 Dungeon Crawl Stone Soup version 0.30.0-29-ga12c61a403 (webtiles) character file.

Game seed: 12910241763577489189

177778 qw the Severer (level 18, -5/115 (119) HPs)
             Began as a Gargoyle Fighter on June 4, 2023.
             Was an Elder of Okawaru.
             Slain by a torpor snail (14 damage)
             ... on level 3 of the Spider Nest.
             The game lasted 00:53:55 (51393 turns).

qw the Severer (Gargoyle Fighter)                  Turns: 51393, Time: 00:53:56

HP:   -5/115 (119)  AC: 45    Str: 26    XL:     18   Next: 18%
MP:   7/7           EV: 11    Int: 12    God:    Okawaru [****..]
Gold: 420           SH:  0    Dex: 12    Spells: 17/17 levels left

rFire   . . .        j - +9 broad axe "Kosum" {antimagic, rC+}
rCold   + . .        u - +2 kite shield
rNeg    + . .        f - +0 plate armour
rPois   inf          m - +0 helmet
rElec   +            A - +0 cloak
rCorr   .            g - +1 pair of gloves
SInv    .            e - +0 pair of boots
Will    +....        h - amulet of regeneration Stlth
                     v - +5 ring of evasion
HPRegen 1.19/turn    q - +4 ring of protection
MPRegen 0.10/turn

%: no passive effects
@: about to teleport, heroic, flying, held, slowed, lightly drained, very slow
A: sickness immunity, AC +13, big wings, negative energy resistance 1,
electricity resistance, torment resistance 1, petrification resistance, agile 1,
clever 1, low MP 1
a: Renounce Religion, Heroism, Finesse


You were on level 3 of the Spider Nest.
You worshipped Okawaru.
Okawaru was greatly pleased with you.
You visited 6 branches of the dungeon, and saw 29 of its levels.

You collected 2832 gold pieces.
You spent 2412 gold pieces at shops.


Innate Abilities, Weirdness & Mutations

You are immune to sickness and miasma.
Your stone body is resilient. (AC +13)
You are immune to poison.
Your large and strong wings let you fly.
You resist negative energy. (rN+)
You are resistant to electric shocks. (rElec)
You are resistant to unholy torment.
You are immune to petrification.
You are agile. (Dex +4, Str/Int -1)
Your mind is acute. (Int +4, Str/Dex -1)
Your magical capacity is low. (-10% MP)


   Skills:
 - Level 15.0(20.0) Fighting
 - Level 18.0(23.0) Axes
 - Level 8.0(13.0) Throwing
 + Level 14.6(19.6) Armour
 - Level 5.0(10.0) Dodging
 - Level 14.1(19.1) Shields
 - Level 10.0 Invocations


You had 17 spell levels left.
You didn't know any spells.
Your spell library was empty.

Inventory:

Hand Weapons
 j - the +9 broad axe "Kosum" (weapon) {antimagic, rC+}
   (Okawaru gifted it to you on level 14 of the Dungeon)

   rC:        It protects you from cold.
 Y - a +6 heavy broad axe
Missiles
 B - 20 boomerangs
 C - 3 silver javelins (quivered)
 F - 3 javelins
 K - 3 silver boomerangs
Armour
 e - a +0 pair of boots (worn)
 f - a +0 plate armour (worn)
 g - a +1 pair of gloves (worn)
 m - a +0 helmet (worn)
 r - a +1 cloak of stealth
 u - a +2 kite shield (worn)
 y - +2 acid dragon scales
 A - a +0 cloak (worn)
 D - +0 fire dragon scales
 G - a +1 chain mail of cold resistance
 I - the scarf of Packeo {harm, *Slow rF++ Dex+4}
   (You acquired it on level 2 of the Orcish Mines)

   Dex:       It affects your dexterity (+4).
   rF:        It greatly protects you from fire.
   *Slow:     It may slow you when you take damage.
Jewellery
 b - a ring of resist corrosion
 h - an amulet of regeneration (around neck)
 n - a ring of protection from fire
 q - a +4 ring of protection (right hand)
 v - a +5 ring of evasion (left hand)
 E - the amulet of the Four Winds {rN+ Will+++ Clar}
   (You found it on level 2 of the Spider Nest)

   [amulet of nothing]

   rN:        It protects you from negative energy.
   Clar:      It protects you from confusion, rage, mesmerisation and fear.
   Will:      It greatly increases your willpower.
Wands
 w - a wand of digging (6)
Scrolls
 a - 3 scrolls of identify
 t - 5 scrolls of teleportation
 J - a scroll of brand weapon
Potions
 c - 2 potions of magic
 d - 2 potions of might
 i - 4 potions of attraction
 k - 13 potions of curing
 l - 3 potions of lignification
 o - 7 potions of haste
 p - a potion of resistance
 s - 2 potions of heal wounds
 x - 2 potions of mutation
 z - 2 potions of cancellation

Dungeon Overview and Level Annotations

Branches:
Dungeon (15/15)            Temple (1/1) D:4            Lair (5/5) D:9
 Shoals (3/4) Lair:3       Spider (2/4) Lair:2        Slime (0/5) Lair:5
    Orc (2/2) D:11            Elf (0/3) Orc:2        Vaults (0/5) D:14
 Depths (0/4) D:15

Altars:
Ashenzari
Cheibriados
Dithmenos
Elyvilon
Fedhas
Gozag
Hepliaklqana
Kikubaaqudgha
Makhleb
Nemelex Xobeh
Okawaru
Qazlal
Ru
Sif Muna
Trog
Uskayaw
Vehumet
Wu Jian
Xom
Yredelemnul
Zin
The Shining One

Shops:
D:5 *   Orc:2 [**?   Shoals:1 :   Shoals:3 *(*[

Annotations:
D:2 1 runed translucent door, Crazy Yiuf
D:7 4 runed translucent doors
D:10 1 transporter
Lair:1 1 runed translucent door
Lair:2 2 transporters, qw's ghost, journeyman GrFi
Lair:4 2 runed translucent doors, qw's ghost, journeyman GrFi
Spider:1 1 runed translucent door, qw's ghost, adept GrFi
Spider:2 Arachne


Message History

As you read the scroll of teleportation, it crumbles to dust.
You feel strangely unstable.
The jumping spider pounces on you but does no damage.
The jumping spider closely misses you. The jumping spider pounces on you!
The jumping spider barely misses you.
The jumping spider pounces on you but does no damage.
The jumping spider bites you but does no damage.
The jumping spider pounces on you but does no damage.
The jumping spider bites you but does no damage.
The jumping spider pounces on you but does no damage.
The jumping spider bites you but does no damage.
The moth of wrath goads the torpor snail on!
The torpor snail goes berserk!
The redback closely misses you.
The torpor snail bites you but does no damage.
The jumping spider barely misses you. The jumping spider closely misses you.
The jumping spider pounces on you but does no damage.
The jumping spider bites you but does no damage.
The jumping spider pounces on you but does no damage.
The jumping spider barely misses you. The redback bites you.
51393 ||| DRINKING 3 potions of heal wounds.
You feel much better. The jumping spider barely misses you.
The jumping spider bites you. The jumping spider pounces on you!
The jumping spider bites you but does no damage.
The redback bites you but does no damage.
The jumping spider pounces on you but does no damage.
The jumping spider bites you but does no damage.
The jumping spider pounces on you.
The jumping spider bites you but does no damage.
The jumping spider pounces on you.
You are even more entangled.
The jumping spider bites you but does no damage.
The torpor snail bites you but does no damage.
The redback misses you. The jumping spider barely misses you.
The jumping spider bites you but does no damage.
The jumping spider pounces on you but does no damage.
The jumping spider barely misses you.
The jumping spider pounces on you but does no damage.
The jumping spider completely misses you.
The torpor snail bites you!
You die...

# #.# ....
##.....
##s^..^#
#@ss)#
#wsss....#
#.#y....#..
#.....?.# #
^...##..
...... .#
#...#.. #
.......#


You could see a torpor snail (berserk), a demonic crawler, a moth of wrath, 4
jumping spiders and a redback (berserk).

Vanquished Creatures
  Nikola (Spider:2)
  Rupert (Lair:3)
  Asterion (Spider:2)
  Frances (Shoals:2)
  Polyphemus (Shoals:2)
  Kirke (D:13)
  Donald (Orc:2)
  An orc warlord (Orc:1)
  A broodmother (Spider:1)
  A very ugly thing (Spider:1)
  An ironbound preserver (D:14)
  Nessos (D:13)
  Azrael (D:15)
  2 fire dragons (D:15)
  An entropy weaver (Spider:2)
  A merfolk impaler (Shoals:3)
  Erolcha (Orc:2)
  An ogre mage (D:15)
  4 centaur warriors
  5 merfolk avatars
  4 hydras
  4 catoblepae
  3 radroaches
  A merfolk aquamancer (Shoals:3)
  3 boulder beetles
  8 two-headed ogres
  A satyr (Shoals:2)
  A tengu warrior (D:15)
  14 death yaks
  Urug (Orc:1)
  A dancing weapon (D:13)
  3 orc high priests (Orc:2)
  Nergalle (Lair:1)
  2 skysharks
  2 cherubim (D:13)
  A pharaoh ant (Spider:2)
  3 skeletal warriors (D:14)
  Lodul (D:11)
  7 sea snakes
  A lindwurm (Lair:3)
  Pikel (D:7)
  A wolf spider zombie (D:14)
  7 orb spiders
  A steelbarb worm (Spider:1)
  4 deep elf pyromancers
  16 harpies
  10 wolf spiders
  11 fauns
  7 orc sorcerers
  6 orc knights
  28 ugly things
  14 manticores
  15 cyclopes
  23 elephants
  2 moths of wrath
  2 merfolk sirens
  A moth of wrath (shapeshifter) (D:15)
  10 black mambas
  3 demonic crawlers
  Joseph (Lair:1)
  5 water nymphs (Shoals:3)
  3 torpor snails
  12 cane toads
  Maggie (Lair:1)
  2 unseen horrors
  3 rime drakes
  15 komodo dragons
  A yaktaur (shapeshifter) (D:14)
  A kobold demonologist (D:9)
  A tengu conjurer (D:15)
  13 merfolk
  11 trolls
  5 wind drakes
  A queen bee (Lair:2)
  A tarantella (shapeshifter) (D:15)
  17 tarantellas
  12 blink frogs
  10 dream sheep
  7 snapping turtles
  10 slime creatures
  2 wraiths
  2 shadows (D:11)
  12 culicivoras
  A vampire (D:12)
  49 yaks
  5 jumping spiders
  5 wyverns
  12 water elementals
  A fire elemental (D:15)
  2 basilisks
  5 humans
  2 hogs (D:13)
  4 vampire mosquitoes
  3 steam dragons
  Menkaure (D:4)
  14 water moccasins
  28 redbacks
  5 acid dragons
  3 hell hounds (D:15)
  Duvessa (D:7)
  20 orc warriors
  A sky beast (D:6)
  5 black bears
  18 ogres
  4 wolves (Lair:5)
  6 centaurs
  2 lemures (D:7)
  7 kobold brigands
  11 bullfrogs
  3 gnoll sergeants
  7 scorpions
  6 wights
  Dowan (D:7)
  34 killer bees
  11 howler monkeys
  5 electric eels (D:14)
  3 gnoll boudas
  6 hounds
  6 jellies
  18 orc priests
  A boggart zombie (D:14)
  5 iguanas
  A sleepcap (D:6)
  20 orc wizards
  7 adders
  18 gnolls
  2 shadow imps (D:7)
  2 white imps
  An ufetubus (D:5)
  3 worms
  A dart slug (D:1)
  48 orcs
  3 bats
  10 endoplasms
  2 giant cockroaches
  5 goblins
  6 hobgoblins
  3 quokkas
  5 ball pythons
  3 frilled lizards
  15 kobolds
  6 rats
  2 spectral weapons (Spider:2)
884 creatures vanquished.

Vanquished Creatures (others)
  A merfolk aquamancer (Shoals:3)
  A yak (D:10)
  4 orc wizards
  2 orcs (Orc:1)
8 creatures vanquished.

Grand Total: 892 creatures vanquished

Notes
Turn   | Place    | Note
-------+----------+-------------------------------------------
     0 | D:1      | qw the Gargoyle Fighter began the quest for the Orb.
     0 | D:1      | Reached XP level 1. HP: 14/14 MP: 1/1
     0 | D:1      | 0 ||| qw: Version: 0.2-a-106-g05974ce
     0 | D:1      | 0 ||| qw: Game counter: 1169
     0 | D:1      | 0 ||| qw: Always use a shield: true
     0 | D:1      | 0 ||| qw: God list: Okawaru
     0 | D:1      | 0 ||| qw: Allow faded altars: false
     0 | D:1      | 0 ||| qw: Do Orc after D:15 true
     0 | D:1      | 0 ||| qw: Do second Lair branch before Depths: true
     0 | D:1      | 0 ||| qw: Lair rune preference: random
     0 | D:1      | 0 ||| qw: Plans: Normal, Zot:1-4, Slime:5, God:TSO, Crypt,
                  | Tomb, Abyss, Pan, Hells, Win
     0 | D:1      | 0 ||| PLANNING D:1-11
    25 | D:1      | Reached skill level 2 in Axes
   132 | D:1      | Reached XP level 2. HP: 17/19 MP: 2/2
   431 | D:1      | Reached skill level 3 in Axes
   433 | D:1      | 433 ||| Stepping ~*~*~tactically~*~*~ (hiding).
   446 | D:1      | Reached XP level 3. HP: 23/23 MP: 3/3
   573 | D:1      | 573 ||| UPGRADING to +0 pair of boots.
   578 | D:1      | 578 ||| READING 2 scrolls labelled USA HOMOYPSIJIU.
   579 | D:1      | 579 ||| READING scroll labelled PIHESO ZASISH.
   628 | D:2      | 628 ||| Stepping ~*~*~tactically~*~*~ (stealth).
   684 | D:2      | 684 ||| Stepping ~*~*~tactically~*~*~ (hiding).
   685 | D:2      | 685 ||| Stepping ~*~*~tactically~*~*~ (hiding).
   686 | D:2      | 686 ||| Stepping ~*~*~tactically~*~*~ (hiding).
   687 | D:2      | 687 ||| Stepping ~*~*~tactically~*~*~ (hiding).
  1025 | D:2      | Found a runed translucent door.
  1026 | D:2      | Noticed Crazy Yiuf
  1263 | D:2      | 1263 ||| UPGRADING to +0 plate armour.
  1273 | D:2      | 1273 ||| DROPPING +0 scale mail.
  1274 | D:2      | 1274 ||| READING scroll labelled WISI OM NUVEI.
  1275 | D:2      | 1275 ||| READING scroll labelled PEIMESHR AFIXKO.
  1308 | D:2      | 1308 ||| READING scroll labelled RUJUSUDI MUCKIQE.
  1309 | D:2      | 1309 ||| READING scroll labelled RYCRINE POTSO.
  1310 | D:2      | 1310 ||| DRINKING 2 cyan potions.
  1355 | D:3      | 1355 ||| Stepping ~*~*~tactically~*~*~ (stealth).
  1360 | D:3      | Reached XP level 4. HP: 28/28 MP: 4/4
  1366 | D:3      | 1366 ||| Stepping ~*~*~tactically~*~*~ (stealth).
  1375 | D:3      | Reached skill level 4 in Axes
  1383 | D:3      | HP: 7/28 [gnoll/+0 whip (7)]
  1384 | D:3      | 1384 ||| DRINKING potion of heal wounds.
  1390 | D:3      | 1390 ||| DROPPING +0 mace.
  1392 | D:3      | 1392 ||| Stepping ~*~*~tactically~*~*~ (stealth).
  1448 | D:3      | Found a bloodstained altar of Trog.
  1631 | D:3      | Found a hazy altar of Hepliaklqana.
  1760 | D:3      | 1760 ||| Stepping ~*~*~tactically~*~*~ (stealth).
  1766 | D:3      | Reached XP level 5. HP: 32/32 MP: 5/5
  1777 | D:3      | 1777 ||| Stepping ~*~*~tactically~*~*~ (stealth).
  1866 | D:3      | 1866 ||| UPGRADING to +0 pair of gloves.
  1871 | D:3      | 1871 ||| UPGRADING to +0 helmet.
  1876 | D:3      | 1876 ||| READING scroll labelled HARRIR IC BUO.
  1877 | D:3      | 1877 ||| READING scroll labelled DETUMUG ULUDA.
  1898 | D:3      | 1898 ||| READING 2 scrolls of identify.
  1898 | D:3      | 1898 ||| IDENTIFYING bubbling sapphire potion
  1920 | D:4      | 1920 ||| STAIRDANCE
  1954 | D:4      | 1954 ||| Stepping ~*~*~tactically~*~*~ (stealth).
  1955 | D:4      | 1955 ||| Stepping ~*~*~tactically~*~*~ (stealth).
  1957 | D:4      | 1957 ||| Stepping ~*~*~tactically~*~*~ (stealth).
  1958 | D:4      | 1958 ||| Stepping ~*~*~tactically~*~*~ (stealth).
  1974 | D:4      | Reached skill level 5 in Axes
  2006 | D:4      | 2006 ||| FLEEEEING.
  2015 | D:4      | 2015 ||| STAIRDANCE
  2116 | D:4      | Reached XP level 6. HP: 32/38 MP: 6/6
  2164 | D:4      | Noticed Menkaure
  2165 | D:4      | 2165 ||| Stepping ~*~*~tactically~*~*~ (hiding).
  2179 | D:4      | HP: 6/38 [Menkaure (6)]
  2180 | D:4      | Killed Menkaure
  2310 | D:4      | Found a sacrificial altar of Ru.
  2371 | D:4      | Found a staircase to the Ecumenical Temple.
  2372 | D:4      | 2372 ||| PLANNING TEMPLE
  2375 | D:4      | 2375 ||| UPGRADING to amulet of regeneration.
  2380 | D:4      | 2380 ||| DROPPING ring of flight.
  2381 | D:4      | 2381 ||| READING scroll labelled JERARA YFEALYN.
  2382 | D:4      | 2382 ||| DRINKING 2 glowing yellow potions.
  2383 | D:4      | 2383 ||| DROPPING potion of flight.
  2395 | Temple   | Entered the Ecumenical Temple
  2535 | Temple   | 2535 ||| PLANNING D:1-11
  2535 | Temple   | 2535 ||| READING scroll labelled HEMAYBR PODOGI.
  2536 | Temple   | 2536 ||| DRINKING 2 inky potions.
  2570 | D:4      | Noticed a black bear
  2577 | D:4      | Killed a black bear
  2578 | D:4      | Reached skill level 6 in Axes
  2578 | D:4      | Reached XP level 7. HP: 39/44 MP: 7/7
  2607 | D:4      | 2607 ||| Stepping ~*~*~tactically~*~*~ (stealth).
  2657 | D:4      | 2657 ||| Stepping ~*~*~tactically~*~*~ (hiding).
  2658 | D:4      | 2658 ||| Stepping ~*~*~tactically~*~*~ (hiding).
  2659 | D:4      | 2659 ||| Stepping ~*~*~tactically~*~*~ (hiding).
  2677 | D:4      | 2677 ||| DROPPING +0 flail.
  2691 | D:4      | Found a hide-covered altar of Uskayaw.
  2847 | D:4      | 2847 ||| DRINKING 2 glowing emerald potions.
  2882 | D:5      | Entered Level 5 of the Dungeon
  2889 | D:5      | 2889 ||| STAIRDANCE
  2922 | D:5      | 2922 ||| READING scroll of enchant weapon.
  2922 | D:5      | 2922 ||| ENCHANTING +1 war axe.
  3001 | D:5      | 3001 ||| Stepping ~*~*~tactically~*~*~ (hiding).
  3003 | D:5      | 3003 ||| Stepping ~*~*~tactically~*~*~ (hiding).
  3004 | D:5      | 3004 ||| Stepping ~*~*~tactically~*~*~ (hiding).
  3005 | D:5      | 3005 ||| Stepping ~*~*~tactically~*~*~ (hiding).
  3189 | D:5      | 3189 ||| Stepping ~*~*~tactically~*~*~ (stealth).
  3204 | D:5      | Reached skill level 7 in Axes
  3245 | D:5      | Found Ifumesegg's General Store.
  3256 | D:5      | 3256 ||| BUYING potion of curing (45 gold).
  3256 | D:5      | Bought a potion of curing for 45 gold pieces
  3256 | D:5      | 3256 ||| BUYING scroll of teleportation (45 gold).
  3256 | D:5      | Bought a scroll of teleportation for 45 gold pieces
  3283 | D:5      | 3283 ||| Stepping ~*~*~tactically~*~*~ (hiding).
  3291 | D:5      | Reached skill level 1 in Dodging
  3291 | D:5      | Reached XP level 8. HP: 43/49 MP: 8/8
  3363 | D:5      | Found a glowing golden altar of the Shining One.
  3470 | D:5      | 3470 ||| Stepping ~*~*~tactically~*~*~ (hiding).
  3472 | D:5      | 3472 ||| Stepping ~*~*~tactically~*~*~ (hiding).
  3556 | D:5      | 3556 ||| Stepping ~*~*~tactically~*~*~ (stealth).
  3615 | D:5      | Found a blossoming altar of Fedhas.
  3623 | D:5      | Found a burning altar of Makhleb.
  3623 | D:5      | Found a basalt altar of Yredelemnul.
  3624 | D:5      | Found an ancient bone altar of Kikubaaqudgha.
  3635 | D:5      | Reached skill level 1 in Throwing
  3732 | D:5      | Found a glowing silver altar of Zin.
  3933 | D:5      | 3933 ||| UPGRADING to +0 kite shield.
  3943 | D:5      | 3943 ||| DROPPING +0 buckler.
  3944 | D:5      | 3944 ||| UPGRADING to +4 ring of protection.
  3945 | D:5      | 3945 ||| UPGRADING to +6 ring of strength.
  3946 | D:5      | 3946 ||| READING scroll labelled ZIX XIH AHYME.
  3947 | D:5      | 3947 ||| DRINKING 2 silvery potions.
  3948 | D:5      | 3948 ||| READING 2 scrolls of identify.
  3948 | D:5      | 3948 ||| IDENTIFYING smoky yellow potion
  3949 | D:5      | 3949 ||| DROPPING potion of ambrosia.
  3950 | D:5      | 3950 ||| DROPPING potion of degeneration.
  4104 | D:6      | Found a stormy altar of Qazlal.
  4115 | D:6      | Identified the +9 spear of the Grave {drain, rC+ Will+
                  | Int+5}
  4243 | D:6      | 4243 ||| Stepping ~*~*~tactically~*~*~ (hiding).
  4251 | D:6      | Reached skill level 6 in Shields
  4265 | D:6      | HP: 9/49 [wight/+3 trident (6)]
  4266 | D:6      | 4266 ||| READING 2 scrolls of teleportation.
  4266 | D:6      | HP: 1/49 [wight/+3 trident (10)]
  4267 | D:6      | 4267 ||| DRINKING 4 potions of heal wounds.
  4396 | D:6      | Reached XP level 9. HP: 54/54 MP: 9/9
  4611 | D:6      | 4611 ||| Stepping ~*~*~tactically~*~*~ (hiding).
  4880 | D:6      | 4880 ||| Stepping ~*~*~tactically~*~*~ (hiding).
  4993 | D:6      | 4993 ||| Stepping ~*~*~tactically~*~*~ (hiding).
  4996 | D:6      | 4996 ||| Stepping ~*~*~tactically~*~*~ (hiding).
  4997 | D:6      | 4997 ||| Stepping ~*~*~tactically~*~*~ (hiding).
  5071 | D:6      | 5071 ||| UPGRADING to +2 kite shield.
  5081 | D:6      | 5081 ||| DROPPING +0 kite shield.
  5082 | D:6      | 5082 ||| READING scroll labelled VIMIXKO GUNIS.
  5183 | D:6      | 5183 ||| DRINKING 4 green potions.
  5184 | D:6      | 5184 ||| DRINKING 3 murky black potions.
  5184 | D:6      | Gained mutation: You sometimes lose your temper in combat.
                  | [potion of mutation]
  5184 | D:6      | Gained mutation: You occasionally lose the ability to read
                  | scrolls when taking damage. [potion of mutation]
  5185 | D:6      | 5185 ||| DRINKING 2 potions of mutation.
  5185 | D:6      | Lost mutation: You occasionally lose the ability to read
                  | scrolls when taking damage. [potion of mutation]
  5185 | D:6      | Lost mutation: You sometimes lose your temper in combat.
                  | [potion of mutation]
  5185 | D:6      | Gained mutation: You possess an exceptional clarity of
                  | mind. [potion of mutation]
  5185 | D:6      | Gained mutation: You are agile. (Dex +4, Str/Int -1)
                  | [potion of mutation]
  5186 | D:6      | 5186 ||| READING 2 scrolls of identify.
  5186 | D:6      | 5186 ||| IDENTIFYING blue potion
  5199 | D:7      | Noticed a polar bear
  5199 | D:7      | Found a huge runed translucent gate.
  5205 | D:7      | Found a huge runed translucent gate.
  5206 | D:7      | Noticed a polar bear
  5224 | D:7      | Reached skill level 8 in Axes
  5250 | D:7      | 5250 ||| Stepping ~*~*~tactically~*~*~ (hiding).
  5310 | D:7      | 5310 ||| Stepping ~*~*~tactically~*~*~ (hiding).
  5444 | D:7      | Found a huge runed translucent gate.
  5444 | D:7      | Found a huge runed translucent gate.
  5444 | D:7      | Noticed a polar bear
  5444 | D:7      | Noticed a manticore
  5444 | D:7      | Noticed a polar bear
  5463 | D:7      | 5463 ||| Stepping ~*~*~tactically~*~*~ (hiding).
  5678 | D:7      | Noticed Pikel
  5679 | D:7      | 5679 ||| Stepping ~*~*~tactically~*~*~ (stealth).
  5680 | D:7      | 5680 ||| Stepping ~*~*~tactically~*~*~ (stealth).
  5700 | D:7      | Reached skill level 6 in Fighting
  5716 | D:7      | Killed Pikel
  5736 | D:7      | 5736 ||| READING scroll of enchant weapon.
  5736 | D:7      | 5736 ||| ENCHANTING +2 war axe.
  5809 | D:7      | Noticed Duvessa
  5810 | D:7      | 5810 ||| Stepping ~*~*~tactically~*~*~ (stealth).
  5811 | D:7      | 5811 ||| Stepping ~*~*~tactically~*~*~ (stealth).
  5813 | D:7      | Noticed Dowan
  5814 | D:7      | 5814 ||| Stepping ~*~*~tactically~*~*~ (stealth).
  5819 | D:7      | Killed Duvessa
  5825 | D:7      | Killed Dowan
  5888 | D:7      | 5888 ||| UPGRADING to +5 ring of evasion.
  5890 | D:7      | 5890 ||| UPGRADING to +4 ring of protection.
  5892 | D:7      | 5892 ||| DROPPING +6 ring of strength.
  5893 | D:7      | 5893 ||| READING scroll labelled TOT NIMOORGHOES.
  5894 | D:7      | 5894 ||| READING scroll labelled PIZAOL DACKACH.
  5895 | D:7      | 5895 ||| READING 2 scrolls of identify.
  5895 | D:7      | 5895 ||| IDENTIFYING metallic golden potion
  5896 | D:7      | 5896 ||| DROPPING potion of brilliance.
  6070 | D:8      | Reached XP level 10. HP: 55/60 MP: 10/10
  6087 | D:8      | 6087 ||| FLEEEEING.
  6088 | D:8      | 6088 ||| FLEEEEING.
  6092 | D:8      | 6092 ||| Stepping ~*~*~tactically~*~*~ (hiding).
  6279 | D:8      | 6279 ||| Stepping ~*~*~tactically~*~*~ (stealth).
  6281 | D:8      | 6281 ||| Stepping ~*~*~tactically~*~*~ (hiding).
  6300 | D:8      | Reached skill level 9 in Axes
  6442 | D:8      | 6442 ||| Stepping ~*~*~tactically~*~*~ (stealth).
  6463 | D:8      | Reached skill level 6 in Armour
  6549 | D:8      | Found a shadowy altar of Dithmenos.
  6550 | D:8      | Found a shimmering blue altar of Sif Muna.
  6783 | D:8      | 6783 ||| DROPPING amulet of magic regeneration.
  6898 | D:9      | Noticed a two-headed ogre
  6915 | D:9      | Killed a two-headed ogre
  6916 | D:9      | Reached skill level 9 in Shields
  6964 | D:9      | Found a staircase to the Lair.
  7021 | D:9      | Noticed a kobold demonologist
  7031 | D:9      | Noticed a soul eater
  7045 | D:9      | Killed a kobold demonologist
  7517 | D:10     | Entered Level 10 of the Dungeon
  7523 | D:10     | Noticed a two-headed ogre
  7537 | D:10     | Killed a two-headed ogre
  7538 | D:10     | Reached skill level 10 in Axes
  7538 | D:10     | Reached XP level 11. HP: 36/67 MP: 11/11
  7623 | D:10     | 7623 ||| Stepping ~*~*~tactically~*~*~ (stealth).
  7656 | D:10     | Found an iron altar of Okawaru.
  7657 | D:10     | 7657 ||| PLANNING OKAWARU WORSHIP
  7686 | D:10     | Became a worshipper of Warmaster Okawaru
  7686 | D:10     | 7686 ||| PLANNING D:1-11
  7698 | D:10     | Found a flagged portal.
  7699 | D:10     | 7699 ||| Stepping ~*~*~tactically~*~*~ (stealth).
  7700 | D:10     | 7700 ||| Stepping ~*~*~tactically~*~*~ (stealth).
  7767 | D:10     | 7767 ||| Stepping ~*~*~tactically~*~*~ (hiding).
  7780 | D:10     | 7780 ||| FLEEEEING.
  7781 | D:10     | 7781 ||| FLEEEEING.
  7786 | D:10     | 7786 ||| FLEEEEING.
  7787 | D:10     | 7787 ||| FLEEEEING.
  7788 | D:10     | 7788 ||| FLEEEEING.
  7789 | D:10     | 7789 ||| FLEEEEING.
  7790 | D:10     | 7790 ||| FLEEEEING.
  7791 | D:10     | 7791 ||| FLEEEEING.
  7792 | D:10     | 7792 ||| Stepping ~*~*~tactically~*~*~ (stealth).
  7793 | D:10     | 7793 ||| FLEEEEING.
  7794 | D:10     | 7794 ||| Stepping ~*~*~tactically~*~*~ (hiding).
  7795 | D:10     | 7795 ||| FLEEEEING.
  7796 | D:10     | 7796 ||| Stepping ~*~*~tactically~*~*~ (hiding).
  7838 | D:10     | Noticed a two-headed ogre
  7848 | D:10     | Killed a two-headed ogre
  7848 | D:10     | Reached * piety under Okawaru
  7849 | D:10     | Reached skill level 11 in Axes
  7918 | D:10     | 7918 ||| INVOKING Heroism.
  7923 | D:10     | Reached skill level 1 in Invocations
  7989 | D:10     | 7989 ||| Stepping ~*~*~tactically~*~*~ (hiding).
  7990 | D:10     | 7990 ||| Stepping ~*~*~tactically~*~*~ (hiding).
  7992 | D:10     | 7992 ||| Stepping ~*~*~tactically~*~*~ (hiding).
  7995 | D:10     | 7995 ||| INVOKING Heroism.
  8103 | D:10     | Found a sparkling altar of Nemelex Xobeh.
  8103 | D:10     | Found a transporter.
  8103 | D:10     | Noticed a centaur warrior
  8104 | D:10     | Noticed a red ugly thing
  8139 | D:10     | Found a shimmering altar of Xom.
  8140 | D:10     | 8140 ||| Stepping ~*~*~tactically~*~*~ (hiding).
  8141 | D:10     | 8141 ||| Stepping ~*~*~tactically~*~*~ (hiding).
  8142 | D:10     | 8142 ||| Stepping ~*~*~tactically~*~*~ (hiding).
  8143 | D:10     | 8143 ||| INVOKING Heroism.
  8207 | D:10     | 8207 ||| Stepping ~*~*~tactically~*~*~ (stealth).
  8210 | D:10     | 8210 ||| Stepping ~*~*~tactically~*~*~ (stealth).
  8511 | D:10     | 8511 ||| PLANNING LAIR
  8578 | Lair:1   | Entered Level 1 of the Lair of Beasts
  8604 | Lair:1   | 8604 ||| INVOKING Heroism.
  8784 | Lair:1   | 8784 ||| INVOKING Heroism.
  8784 | Lair:1   | Noticed Joseph
  8791 | Lair:1   | Reached skill level 3 in Invocations
  8814 | Lair:1   | Killed Joseph
  8923 | Lair:1   | 8923 ||| INVOKING Heroism.
  8954 | Lair:1   | 8954 ||| INVOKING Heroism.
  8954 | Lair:1   | Noticed Nergalle
  8980 | Lair:1   | Killed Nergalle
  8981 | Lair:1   | Reached skill level 9 in Fighting
  9144 | Lair:1   | Reached ** piety under Okawaru
  9152 | Lair:1   | 9152 ||| INVOKING Heroism.
  9515 | Lair:1   | Noticed Maggie
  9518 | Lair:1   | 9518 ||| Stepping ~*~*~tactically~*~*~ (hiding).
  9537 | Lair:1   | 9537 ||| INVOKING Heroism.
  9542 | Lair:1   | Killed Maggie
  9543 | Lair:1   | Reached XP level 12. HP: 52/76 MP: 12/15
  9567 | Lair:1   | 9567 ||| DROPPING +3 flail of draining.
  9580 | Lair:1   | Found a runed translucent door.
  9596 | Lair:1   | 9596 ||| SWAPPING to +2 war axe of flaming.
  9597 | Lair:1   | 9597 ||| DROPPING +3 morningstar of flaming.
  9611 | Lair:1   | Noticed a tentacled starspawn
  9942 | Lair:1   | 9942 ||| DROPPING +0 acid dragon scales.
  9943 | Lair:1   | 9943 ||| READING scroll labelled ONKACI QAPRU VAPH.
  9983 | Lair:2   | 9983 ||| Stepping ~*~*~tactically~*~*~ (hiding).
 10055 | Lair:2   | Noticed a catoblepas
 10056 | Lair:2   | 10056 ||| Stepping ~*~*~tactically~*~*~ (stealth).
 10058 | Lair:2   | 10058 ||| Stepping ~*~*~tactically~*~*~ (stealth).
 10060 | Lair:2   | 10060 ||| Stepping ~*~*~tactically~*~*~ (stealth).
 10066 | Lair:2   | 10066 ||| INVOKING Heroism.
 10089 | Lair:2   | Killed a catoblepas
 10100 | Lair:2   | Found a dark tunnel.
 10133 | Lair:2   | 10133 ||| Stepping ~*~*~tactically~*~*~ (stealth).
 10140 | Lair:2   | Reached skill level 12 in Axes
 10243 | Lair:2   | Reached skill level 9 in Armour
 10249 | Lair:2   | 10249 ||| INVOKING Heroism.
 10257 | Lair:2   | Reached *** piety under Okawaru
 10286 | Lair:2   | Reached **** piety under Okawaru
 10307 | Lair:2   | 10307 ||| Stepping ~*~*~tactically~*~*~ (stealth).
 10309 | Lair:2   | 10309 ||| Stepping ~*~*~tactically~*~*~ (stealth).
 10349 | Lair:2   | Reached skill level 6 in Invocations
 10356 | Lair:2   | Found a transporter.
 10358 | Lair:2   | Found a transporter.
 10362 | Lair:2   | Noticed qw's ghost (journeyman GrFi)
 10363 | Lair:2   | 10363 ||| INVOKING Heroism.
 10365 | Lair:2   | 10365 ||| Stepping ~*~*~tactically~*~*~ (cloud).
 10378 | Lair:2   | Reached ***** piety under Okawaru
 10509 | Lair:2   | 10509 ||| INVOKING Heroism.
 10667 | Lair:2   | Found a hole to the Spider Nest.
 10743 | Lair:2   | Reached XP level 13. HP: 82/82 MP: 18/18
 10793 | Lair:2   | 10793 ||| DROPPING +6 ring of intelligence.
 10794 | Lair:2   | 10794 ||| READING 3 scrolls of identify.
 10794 | Lair:2   | 10794 ||| IDENTIFYING glowing ruby potion
 10835 | Lair:3   | Noticed Rupert
 10836 | Lair:3   | 10836 ||| INVOKING Heroism.
 10837 | Lair:3   | 10837 ||| INVOKING Finesse.
 10869 | Lair:3   | Killed Rupert
 10932 | Lair:3   | 10932 ||| READING 3 scrolls of enchant weapon.
 10932 | Lair:3   | 10932 ||| ENCHANTING +2 war axe of flaming.
 10933 | Lair:3   | 10933 ||| DROPPING +3 war axe.
 10934 | Lair:3   | 10934 ||| READING 2 scrolls of enchant weapon.
 10934 | Lair:3   | 10934 ||| ENCHANTING +3 war axe of flaming.
 10935 | Lair:3   | 10935 ||| READING scroll of enchant weapon.
 10935 | Lair:3   | 10935 ||| ENCHANTING +4 war axe of flaming.
 10943 | Lair:3   | 10943 ||| Stepping ~*~*~tactically~*~*~ (stealth).
 10944 | Lair:3   | 10944 ||| INVOKING Heroism.
 10952 | Lair:3   | Reached skill level 13 in Axes
 11074 | Lair:3   | 11074 ||| Stepping ~*~*~tactically~*~*~ (hiding).
 11076 | Lair:3   | 11076 ||| INVOKING Heroism.
 11244 | Lair:3   | 11244 ||| INVOKING Heroism.
 11283 | Lair:3   | Reached skill level 3 in Dodging
 11283 | Lair:3   | Found a staircase to the Shoals.
 11502 | Lair:3   | Received a gift from Okawaru
 11504 | Lair:3   | 11504 ||| SWAPPING to +1 broad axe of flaming.
 11505 | Lair:3   | 11505 ||| DROPPING +5 war axe of flaming.
 11511 | Lair:3   | Identified the +2 short sword of Ytrumuit {freeze, +Blink
                  | Str-4 Int+5 SInv}
 11514 | Lair:3   | 11514 ||| INVOKING Heroism.
 11522 | Lair:3   | Reached skill level 9 in Invocations
 11680 | Lair:3   | 11680 ||| READING 3 scrolls of identify.
 11680 | Lair:3   | 11680 ||| IDENTIFYING puce potion
 11681 | Lair:3   | 11681 ||| DROPPING potion of berserk rage.
 11711 | Lair:4   | Found a runed translucent door.
 11713 | Lair:4   | Noticed qw's ghost (journeyman GrFi)
 11798 | Lair:4   | 11798 ||| Stepping ~*~*~tactically~*~*~ (stealth).
 11871 | Lair:4   | 11871 ||| READING scroll of enchant weapon.
 11871 | Lair:4   | 11871 ||| ENCHANTING +1 broad axe of flaming.
 11915 | Lair:4   | 11915 ||| INVOKING Heroism.
 12022 | Lair:4   | 12022 ||| INVOKING Heroism.
 12183 | Lair:4   | Received a gift from Okawaru
 12268 | Lair:4   | 12268 ||| INVOKING Heroism.
 12308 | Lair:4   | Found a runed translucent door.
 12607 | Lair:4   | 12607 ||| READING scroll labelled WUKLERCH OXERPHA.
 12646 | Lair:5   | Entered Level 5 of the Lair of Beasts
 12647 | Lair:5   | 12647 ||| INVOKING Heroism.
 12663 | Lair:5   | Reached skill level 14 in Axes
 12713 | Lair:5   | 12713 ||| Stepping ~*~*~tactically~*~*~ (stealth).
 12714 | Lair:5   | 12714 ||| Stepping ~*~*~tactically~*~*~ (stealth).
 12715 | Lair:5   | 12715 ||| INVOKING Heroism.
 12729 | Lair:5   | Gained mutation: Your large and strong wings let you fly.
                  | [Gargoyle growth]
 12729 | Lair:5   | Reached XP level 14. HP: 61/88 MP: 19/21
 12737 | Lair:5   | Received a gift from Okawaru
 12760 | Lair:5   | 12760 ||| Stepping ~*~*~tactically~*~*~ (stealth).
 12762 | Lair:5   | 12762 ||| INVOKING Heroism.
 12864 | Lair:5   | 12864 ||| INVOKING Heroism.
 12923 | Lair:5   | 12923 ||| Stepping ~*~*~tactically~*~*~ (stealth).
 12930 | Lair:5   | 12930 ||| Stepping ~*~*~tactically~*~*~ (stealth).
 12932 | Lair:5   | 12932 ||| INVOKING Heroism.
 12933 | Lair:5   | 12933 ||| Stepping ~*~*~tactically~*~*~ (stealth).
 12934 | Lair:5   | 12934 ||| Stepping ~*~*~tactically~*~*~ (stealth).
 12935 | Lair:5   | 12935 ||| Stepping ~*~*~tactically~*~*~ (hiding).
 12936 | Lair:5   | 12936 ||| Stepping ~*~*~tactically~*~*~ (hiding).
 12945 | Lair:5   | 12945 ||| INVOKING Finesse.
 12951 | Lair:5   | Reached skill level 12 in Shields
 13034 | Lair:5   | 13034 ||| Stepping ~*~*~tactically~*~*~ (stealth).
 13047 | Lair:5   | 13047 ||| INVOKING Heroism.
 13064 | Lair:5   | 13064 ||| INVOKING Finesse.
 13098 | Lair:5   | 13098 ||| INVOKING Heroism.
 13107 | Lair:5   | Received a gift from Okawaru
 13177 | Lair:5   | Received a gift from Okawaru
 13185 | Lair:5   | 13185 ||| INVOKING Heroism.
 13224 | Lair:5   | Reached skill level 15 in Axes
 13233 | Lair:5   | 13233 ||| INVOKING Heroism.
 13256 | Lair:5   | Identified the +9 battleaxe "Farphatao" {freeze, +Blink}
                  | (Okawaru gifted it to you on level 5 of the Lair of Beasts)
 13256 | Lair:5   | Received a gift from Okawaru
 13288 | Lair:5   | Found a staircase to the Slime Pits.
 13294 | Lair:5   | 13294 ||| Stepping ~*~*~tactically~*~*~ (hiding).
 13321 | Lair:5   | 13321 ||| Stepping ~*~*~tactically~*~*~ (stealth).
 13395 | Lair:5   | 13395 ||| Stepping ~*~*~tactically~*~*~ (stealth).
 13397 | Lair:5   | 13397 ||| Stepping ~*~*~tactically~*~*~ (stealth).
 13399 | Lair:5   | 13399 ||| Stepping ~*~*~tactically~*~*~ (stealth).
 13613 | Lair:5   | 13613 ||| Stepping ~*~*~tactically~*~*~ (stealth).
 13621 | Lair:5   | 13621 ||| INVOKING Heroism.
 13622 | Lair:5   | 13622 ||| INVOKING Finesse.
 13774 | Lair:5   | 13774 ||| Stepping ~*~*~tactically~*~*~ (stealth).
 13976 | Lair:5   | 13976 ||| PLANNING D:1-11
 13976 | Lair:5   | 13976 ||| READING scroll labelled IKHUIVYVUD.
 14007 | Lair:5   | 14007 ||| READING 5 scrolls of identify.
 14007 | Lair:5   | 14007 ||| IDENTIFYING murky purple potion
 14008 | Lair:5   | 14008 ||| READING 4 scrolls of identify.
 14008 | Lair:5   | 14008 ||| IDENTIFYING coppery potion
 14009 | Lair:5   | 14009 ||| DROPPING potion of invisibility.
 14251 | D:11     | 14251 ||| Stepping ~*~*~tactically~*~*~ (hiding).
 14354 | D:11     | Reached skill level 12 in Fighting
 14390 | D:11     | 14390 ||| READING 3 scrolls of enchant weapon.
 14390 | D:11     | 14390 ||| ENCHANTING +2 heavy broad axe.
 14391 | D:11     | 14391 ||| READING 2 scrolls of enchant weapon.
 14391 | D:11     | 14391 ||| ENCHANTING +3 heavy broad axe.
 14392 | D:11     | 14392 ||| READING scroll of enchant weapon.
 14392 | D:11     | 14392 ||| ENCHANTING +4 heavy broad axe.
 14446 | D:11     | Found a staircase to the Orcish Mines.
 14467 | D:11     | 14467 ||| Stepping ~*~*~tactically~*~*~ (hiding).
 14468 | D:11     | 14468 ||| Stepping ~*~*~tactically~*~*~ (stealth).
 14469 | D:11     | 14469 ||| Stepping ~*~*~tactically~*~*~ (stealth).
 14479 | D:11     | 14479 ||| Stepping ~*~*~tactically~*~*~ (hiding).
 14540 | D:11     | Noticed Lodul
 14547 | D:11     | Killed Lodul
 14552 | D:11     | Reached XP level 15. HP: 73/96 MP: 22/22
 14839 | D:11     | 14839 ||| PLANNING D
 14839 | D:11     | 14839 ||| DROPPING scarf of harm.
 14840 | D:11     | 14840 ||| UPGRADING to +0 cloak.
 14909 | D:12     | 14909 ||| READING scroll of enchant weapon.
 14909 | D:12     | 14909 ||| ENCHANTING +5 heavy broad axe.
 15040 | D:12     | Identified the +7 morningstar "Keplip" {pain, rElec rCorr}
 15042 | D:12     | 15042 ||| DROPPING +0 flail.
 15602 | D:13     | 15602 ||| Stepping ~*~*~tactically~*~*~ (hiding).
 15853 | D:13     | Received a gift from Okawaru
 15854 | D:13     | Reached skill level 12 in Armour
 16030 | D:13     | Noticed Nessos
 16031 | D:13     | 16031 ||| INVOKING Finesse.
 16040 | D:13     | Killed Nessos
 16041 | D:13     | Reached skill level 3 in Throwing
 16126 | D:13     | 16126 ||| Stepping ~*~*~tactically~*~*~ (hiding).
 16129 | D:13     | 16129 ||| Stepping ~*~*~tactically~*~*~ (stealth).
 16130 | D:13     | 16130 ||| Stepping ~*~*~tactically~*~*~ (stealth).
 16131 | D:13     | 16131 ||| Stepping ~*~*~tactically~*~*~ (stealth).
 16139 | D:13     | 16139 ||| INVOKING Heroism.
 16143 | D:13     | HP: 21/96 [cherub/+1 scimitar of flaming (4)]
 16144 | D:13     | 16144 ||| READING 4 scrolls of teleportation.
 16145 | D:13     | 16145 ||| DRINKING 10 potions of heal wounds.
 16259 | D:13     | Noticed Kirke
 16260 | D:13     | 16260 ||| INVOKING Heroism.
 16264 | D:13     | Killed Kirke
 16484 | D:13     | 16484 ||| Stepping ~*~*~tactically~*~*~ (hiding).
 16494 | D:13     | 16494 ||| Stepping ~*~*~tactically~*~*~ (hiding).
 16650 | D:14     | 16650 ||| PLANNING GAUNTLET
 16703 | D:14     | 16703 ||| Stepping ~*~*~tactically~*~*~ (stealth).
 16869 | D:14     | 16869 ||| Stepping ~*~*~tactically~*~*~ (stealth).
 16870 | D:14     | 16870 ||| INVOKING Heroism.
 16871 | D:14     | 16871 ||| Stepping ~*~*~tactically~*~*~ (stealth).
 16883 | D:14     | 16883 ||| Stepping ~*~*~tactically~*~*~ (stealth).
 16884 | D:14     | 16884 ||| Stepping ~*~*~tactically~*~*~ (stealth).
 16893 | D:14     | Identified the +9 broad axe "Kosum" {antimagic, rC+}
                  | (Okawaru gifted it to you on level 14 of the Dungeon)
 16893 | D:14     | Received a gift from Okawaru
 16897 | D:14     | Reached skill level 16 in Axes
 16923 | D:14     | 16923 ||| SWAPPING to +9 broad axe "Kosum" {antimagic,
                  | rC+}.
 16924 | D:14     | 16924 ||| SWAPPING to +6 heavy broad axe.
 16925 | D:14     | 16925 ||| SWAPPING to +9 broad axe "Kosum" {antimagic,
                  | rC+}.
 16926 | D:14     | 16926 ||| SWAPPING to +6 heavy broad axe.
 16927 | D:14     | 16927 ||| SWAPPING to +9 broad axe "Kosum" {antimagic,
                  | rC+}.
 16928 | D:14     | 16928 ||| SWAPPING to +6 heavy broad axe.
 16929 | D:14     | 16929 ||| SWAPPING to +9 broad axe "Kosum" {antimagic,
                  | rC+}.
 16930 | D:14     | 16930 ||| SWAPPING to +6 heavy broad axe.
 16931 | D:14     | 16931 ||| SWAPPING to +9 broad axe "Kosum" {antimagic,
                  | rC+}.
 16932 | D:14     | 16932 ||| SWAPPING to +6 heavy broad axe.
 16933 | D:14     | 16933 ||| SWAPPING to +9 broad axe "Kosum" {antimagic,
                  | rC+}.
 16934 | D:14     | 16934 ||| SWAPPING to +6 heavy broad axe.
 16935 | D:14     | 16935 ||| SWAPPING to +9 broad axe "Kosum" {antimagic,
                  | rC+}.
 16936 | D:14     | 16936 ||| SWAPPING to +6 heavy broad axe.
 16937 | D:14     | 16937 ||| SWAPPING to +9 broad axe "Kosum" {antimagic,
                  | rC+}.
 16938 | D:14     | 16938 ||| SWAPPING to +6 heavy broad axe.
 16939 | D:14     | 16939 ||| SWAPPING to +9 broad axe "Kosum" {antimagic,
                  | rC+}.
 16940 | D:14     | 16940 ||| SWAPPING to +6 heavy broad axe.
 16941 | D:14     | 16941 ||| SWAPPING to +9 broad axe "Kosum" {antimagic,
                  | rC+}.
 16942 | D:14     | 16942 ||| SWAPPING to +6 heavy broad axe.
 16943 | D:14     | 16943 ||| SWAPPING to +9 broad axe "Kosum" {antimagic,
                  | rC+}.
 16944 | D:14     | 16944 ||| SWAPPING to +6 heavy broad axe.
 16945 | D:14     | 16945 ||| SWAPPING to +9 broad axe "Kosum" {antimagic,
                  | rC+}.
 16946 | D:14     | 16946 ||| SWAPPING to +6 heavy broad axe.
 16947 | D:14     | 16947 ||| SWAPPING to +9 broad axe "Kosum" {antimagic,
                  | rC+}.
 16948 | D:14     | 16948 ||| SWAPPING to +6 heavy broad axe.
 16949 | D:14     | 16949 ||| SWAPPING to +9 broad axe "Kosum" {antimagic,
                  | rC+}.
 16950 | D:14     | 16950 ||| SWAPPING to +6 heavy broad axe.
 16951 | D:14     | 16951 ||| SWAPPING to +9 broad axe "Kosum" {antimagic,
                  | rC+}.
 16952 | D:14     | 16952 ||| SWAPPING to +6 heavy broad axe.
 16953 | D:14     | 16953 ||| SWAPPING to +9 broad axe "Kosum" {antimagic,
                  | rC+}.
 16954 | D:14     | 16954 ||| SWAPPING to +6 heavy broad axe.
 16955 | D:14     | 16955 ||| SWAPPING to +9 broad axe "Kosum" {antimagic,
                  | rC+}.
 16956 | D:14     | 16956 ||| SWAPPING to +6 heavy broad axe.
 16957 | D:14     | 16957 ||| SWAPPING to +9 broad axe "Kosum" {antimagic,
                  | rC+}.
 16958 | D:14     | 16958 ||| SWAPPING to +6 heavy broad axe.
 16959 | D:14     | 16959 ||| SWAPPING to +9 broad axe "Kosum" {antimagic,
                  | rC+}.
 16960 | D:14     | 16960 ||| SWAPPING to +6 heavy broad axe.
 16961 | D:14     | 16961 ||| SWAPPING to +9 broad axe "Kosum" {antimagic,
                  | rC+}.
 16962 | D:14     | 16962 ||| SWAPPING to +6 heavy broad axe.
 16963 | D:14     | 16963 ||| SWAPPING to +9 broad axe "Kosum" {antimagic,
                  | rC+}.
 16964 | D:14     | 16964 ||| SWAPPING to +6 heavy broad axe.
 16965 | D:14     | 16965 ||| SWAPPING to +9 broad axe "Kosum" {antimagic,
                  | rC+}.
 16966 | D:14     | 16966 ||| SWAPPING to +6 heavy broad axe.
 16967 | D:14     | 16967 ||| SWAPPING to +9 broad axe "Kosum" {antimagic,
                  | rC+}.
 16968 | D:14     | 16968 ||| SWAPPING to +6 heavy broad axe.
 16969 | D:14     | 16969 ||| SWAPPING to +9 broad axe "Kosum" {antimagic,
                  | rC+}.
 16970 | D:14     | 16970 ||| SWAPPING to +6 heavy broad axe.
 16971 | D:14     | 16971 ||| SWAPPING to +9 broad axe "Kosum" {antimagic,
                  | rC+}.
 16972 | D:14     | 16972 ||| SWAPPING to +6 heavy broad axe.
 16973 | D:14     | 16973 ||| SWAPPING to +9 broad axe "Kosum" {antimagic,
                  | rC+}.
 16974 | D:14     | 16974 ||| SWAPPING to +6 heavy broad axe.
 16975 | D:14     | 16975 ||| SWAPPING to +9 broad axe "Kosum" {antimagic,
                  | rC+}.
 16976 | D:14     | 16976 ||| SWAPPING to +6 heavy broad axe.
 16977 | D:14     | 16977 ||| SWAPPING to +9 broad axe "Kosum" {antimagic,
                  | rC+}.
 16978 | D:14     | 16978 ||| SWAPPING to +6 heavy broad axe.
 16979 | D:14     | 16979 ||| SWAPPING to +9 broad axe "Kosum" {antimagic,
                  | rC+}.
 16980 | D:14     | 16980 ||| SWAPPING to +6 heavy broad axe.
 16981 | D:14     | 16981 ||| SWAPPING to +9 broad axe "Kosum" {antimagic,
                  | rC+}.
 16982 | D:14     | 16982 ||| SWAPPING to +6 heavy broad axe.
 16983 | D:14     | 16983 ||| SWAPPING to +9 broad axe "Kosum" {antimagic,
                  | rC+}.
 16984 | D:14     | 16984 ||| SWAPPING to +6 heavy broad axe.
 16985 | D:14     | 16985 ||| SWAPPING to +9 broad axe "Kosum" {antimagic,
                  | rC+}.
 16986 | D:14     | 16986 ||| SWAPPING to +6 heavy broad axe.
 16987 | D:14     | 16987 ||| SWAPPING to +9 broad axe "Kosum" {antimagic,
                  | rC+}.
 16988 | D:14     | 16988 ||| SWAPPING to +6 heavy broad axe.
 16989 | D:14     | 16989 ||| SWAPPING to +9 broad axe "Kosum" {antimagic,
                  | rC+}.
 16990 | D:14     | 16990 ||| SWAPPING to +6 heavy broad axe.
 16991 | D:14     | 16991 ||| SWAPPING to +9 broad axe "Kosum" {antimagic,
                  | rC+}.
 16992 | D:14     | 16992 ||| SWAPPING to +6 heavy broad axe.
 16993 | D:14     | 16993 ||| SWAPPING to +9 broad axe "Kosum" {antimagic,
                  | rC+}.
 16994 | D:14     | 16994 ||| SWAPPING to +6 heavy broad axe.
 16995 | D:14     | 16995 ||| SWAPPING to +9 broad axe "Kosum" {antimagic,
                  | rC+}.
 16996 | D:14     | 16996 ||| SWAPPING to +6 heavy broad axe.
 16997 | D:14     | 16997 ||| SWAPPING to +9 broad axe "Kosum" {antimagic,
                  | rC+}.
 16998 | D:14     | 16998 ||| SWAPPING to +6 heavy broad axe.
 16999 | D:14     | 16999 ||| SWAPPING to +9 broad axe "Kosum" {antimagic,
                  | rC+}.
 17000 | D:14     | 17000 ||| SWAPPING to +6 heavy broad axe.
 17001 | D:14     | 17001 ||| SWAPPING to +9 broad axe "Kosum" {antimagic,
                  | rC+}.
 17002 | D:14     | 17002 ||| SWAPPING to +6 heavy broad axe.
 17003 | D:14     | 17003 ||| SWAPPING to +9 broad axe "Kosum" {antimagic,
                  | rC+}.
 17004 | D:14     | 17004 ||| SWAPPING to +6 heavy broad axe.
 17005 | D:14     | 17005 ||| SWAPPING to +9 broad axe "Kosum" {antimagic,
                  | rC+}.
 17006 | D:14     | 17006 ||| SWAPPING to +6 heavy broad axe.
 17007 | D:14     | 17007 ||| SWAPPING to +9 broad axe "Kosum" {antimagic,
                  | rC+}.
 17008 | D:14     | 17008 ||| SWAPPING to +6 heavy broad axe.
 17009 | D:14     | 17009 ||| SWAPPING to +9 broad axe "Kosum" {antimagic,
                  | rC+}.
 17010 | D:14     | 17010 ||| SWAPPING to +6 heavy broad axe.
 17011 | D:14     | 17011 ||| SWAPPING to +9 broad axe "Kosum" {antimagic,
                  | rC+}.
 17012 | D:14     | 17012 ||| SWAPPING to +6 heavy broad axe.
 17013 | D:14     | 17013 ||| SWAPPING to +9 broad axe "Kosum" {antimagic,
                  | rC+}.
 17014 | D:14     | 17014 ||| SWAPPING to +6 heavy broad axe.
 17015 | D:14     | 17015 ||| SWAPPING to +9 broad axe "Kosum" {antimagic,
                  | rC+}.
 17016 | D:14     | 17016 ||| SWAPPING to +6 heavy broad axe.
 17017 | D:14     | 17017 ||| SWAPPING to +9 broad axe "Kosum" {antimagic,
                  | rC+}.
 17018 | D:14     | 17018 ||| SWAPPING to +6 heavy broad axe.
 17019 | D:14     | 17019 ||| SWAPPING to +9 broad axe "Kosum" {antimagic,
                  | rC+}.
 17020 | D:14     | 17020 ||| SWAPPING to +6 heavy broad axe.
 17021 | D:14     | 17021 ||| SWAPPING to +9 broad axe "Kosum" {antimagic,
                  | rC+}.
 17022 | D:14     | 17022 ||| SWAPPING to +6 heavy broad axe.
 17023 | D:14     | 17023 ||| SWAPPING to +9 broad axe "Kosum" {antimagic,
                  | rC+}.
 17024 | D:14     | 17024 ||| SWAPPING to +6 heavy broad axe.
 17025 | D:14     | 17025 ||| SWAPPING to +9 broad axe "Kosum" {antimagic,
                  | rC+}.
 17026 | D:14     | 17026 ||| SWAPPING to +6 heavy broad axe.
 17027 | D:14     | 17027 ||| SWAPPING to +9 broad axe "Kosum" {antimagic,
                  | rC+}.
 17028 | D:14     | 17028 ||| SWAPPING to +6 heavy broad axe.
 17029 | D:14     | 17029 ||| SWAPPING to +9 broad axe "Kosum" {antimagic,
                  | rC+}.
 17030 | D:14     | 17030 ||| SWAPPING to +6 heavy broad axe.
 17031 | D:14     | 17031 ||| SWAPPING to +9 broad axe "Kosum" {antimagic,
                  | rC+}.
 17032 | D:14     | 17032 ||| SWAPPING to +6 heavy broad axe.
 17033 | D:14     | 17033 ||| SWAPPING to +9 broad axe "Kosum" {antimagic,
                  | rC+}.
 17034 | D:14     | 17034 ||| SWAPPING to +6 heavy broad axe.
 17035 | D:14     | 17035 ||| SWAPPING to +9 broad axe "Kosum" {antimagic,
                  | rC+}.
 17036 | D:14     | 17036 ||| SWAPPING to +6 heavy broad axe.
 17037 | D:14     | 17037 ||| SWAPPING to +9 broad axe "Kosum" {antimagic,
                  | rC+}.
 17038 | D:14     | 17038 ||| SWAPPING to +6 heavy broad axe.
 17039 | D:14     | 17039 ||| SWAPPING to +9 broad axe "Kosum" {antimagic,
                  | rC+}.
 17040 | D:14     | 17040 ||| SWAPPING to +6 heavy broad axe.
 17041 | D:14     | 17041 ||| SWAPPING to +9 broad axe "Kosum" {antimagic,
                  | rC+}.
 17042 | D:14     | 17042 ||| SWAPPING to +6 heavy broad axe.
 17043 | D:14     | 17043 ||| SWAPPING to +9 broad axe "Kosum" {antimagic,
                  | rC+}.
 17044 | D:14     | 17044 ||| SWAPPING to +6 heavy broad axe.
 17045 | D:14     | 17045 ||| SWAPPING to +9 broad axe "Kosum" {antimagic,
                  | rC+}.
 17046 | D:14     | 17046 ||| SWAPPING to +6 heavy broad axe.
 17047 | D:14     | 17047 ||| SWAPPING to +9 broad axe "Kosum" {antimagic,
                  | rC+}.
 17048 | D:14     | 17048 ||| SWAPPING to +6 heavy broad axe.
 17049 | D:14     | 17049 ||| SWAPPING to +9 broad axe "Kosum" {antimagic,
                  | rC+}.
 17050 | D:14     | 17050 ||| SWAPPING to +6 heavy broad axe.
 17051 | D:14     | 17051 ||| SWAPPING to +9 broad axe "Kosum" {antimagic,
                  | rC+}.
 17052 | D:14     | 17052 ||| SWAPPING to +6 heavy broad axe.
 17053 | D:14     | 17053 ||| SWAPPING to +9 broad axe "Kosum" {antimagic,
                  | rC+}.
 17054 | D:14     | 17054 ||| SWAPPING to +6 heavy broad axe.
 17055 | D:14     | 17055 ||| SWAPPING to +9 broad axe "Kosum" {antimagic,
                  | rC+}.
 17056 | D:14     | 17056 ||| SWAPPING to +6 heavy broad axe.
 17057 | D:14     | 17057 ||| SWAPPING to +9 broad axe "Kosum" {antimagic,
                  | rC+}.
 17058 | D:14     | 17058 ||| SWAPPING to +6 heavy broad axe.
 17059 | D:14     | 17059 ||| SWAPPING to +9 broad axe "Kosum" {antimagic,
                  | rC+}.
 17060 | D:14     | 17060 ||| SWAPPING to +6 heavy broad axe.
 17061 | D:14     | 17061 ||| SWAPPING to +9 broad axe "Kosum" {antimagic,
                  | rC+}.
 17062 | D:14     | 17062 ||| SWAPPING to +6 heavy broad axe.
 17063 | D:14     | 17063 ||| SWAPPING to +9 broad axe "Kosum" {antimagic,
                  | rC+}.
 17064 | D:14     | 17064 ||| SWAPPING to +6 heavy broad axe.
 17065 | D:14     | 17065 ||| SWAPPING to +9 broad axe "Kosum" {antimagic,
                  | rC+}.
 17066 | D:14     | 17066 ||| SWAPPING to +6 heavy broad axe.
 17067 | D:14     | 17067 ||| SWAPPING to +9 broad axe "Kosum" {antimagic,
                  | rC+}.
 17068 | D:14     | 17068 ||| SWAPPING to +6 heavy broad axe.
 17069 | D:14     | 17069 ||| SWAPPING to +9 broad axe "Kosum" {antimagic,
                  | rC+}.
 17070 | D:14     | 17070 ||| SWAPPING to +6 heavy broad axe.
 17071 | D:14     | 17071 ||| SWAPPING to +9 broad axe "Kosum" {antimagic,
                  | rC+}.
 17072 | D:14     | 17072 ||| SWAPPING to +6 heavy broad axe.
 17073 | D:14     | 17073 ||| SWAPPING to +9 broad axe "Kosum" {antimagic,
                  | rC+}.
 17074 | D:14     | 17074 ||| SWAPPING to +6 heavy broad axe.
 17075 | D:14     | 17075 ||| SWAPPING to +9 broad axe "Kosum" {antimagic,
                  | rC+}.
 17076 | D:14     | 17076 ||| SWAPPING to +6 heavy broad axe.
 17077 | D:14     | 17077 ||| SWAPPING to +9 broad axe "Kosum" {antimagic,
                  | rC+}.
 17078 | D:14     | 17078 ||| SWAPPING to +6 heavy broad axe.
 17079 | D:14     | 17079 ||| SWAPPING to +9 broad axe "Kosum" {antimagic,
                  | rC+}.
 17080 | D:14     | 17080 ||| SWAPPING to +6 heavy broad axe.
 17081 | D:14     | 17081 ||| SWAPPING to +9 broad axe "Kosum" {antimagic,
                  | rC+}.
 17082 | D:14     | 17082 ||| SWAPPING to +6 heavy broad axe.
 17083 | D:14     | 17083 ||| SWAPPING to +9 broad axe "Kosum" {antimagic,
                  | rC+}.
 17084 | D:14     | 17084 ||| SWAPPING to +6 heavy broad axe.
 17085 | D:14     | 17085 ||| SWAPPING to +9 broad axe "Kosum" {antimagic,
                  | rC+}.
 17086 | D:14     | 17086 ||| SWAPPING to +6 heavy broad axe.
 17087 | D:14     | 17087 ||| SWAPPING to +9 broad axe "Kosum" {antimagic,
                  | rC+}.
 17088 | D:14     | 17088 ||| SWAPPING to +6 heavy broad axe.
 17089 | D:14     | 17089 ||| SWAPPING to +9 broad axe "Kosum" {antimagic,
                  | rC+}.
 17090 | D:14     | 17090 ||| SWAPPING to +6 heavy broad axe.
 17091 | D:14     | 17091 ||| SWAPPING to +9 broad axe "Kosum" {antimagic,
                  | rC+}.
 17092 | D:14     | 17092 ||| SWAPPING to +6 heavy broad axe.
 17093 | D:14     | 17093 ||| SWAPPING to +9 broad axe "Kosum" {antimagic,
                  | rC+}.
 17094 | D:14     | 17094 ||| SWAPPING to +6 heavy broad axe.
 17095 | D:14     | 17095 ||| SWAPPING to +9 broad axe "Kosum" {antimagic,
                  | rC+}.
 17096 | D:14     | 17096 ||| SWAPPING to +6 heavy broad axe.
 17097 | D:14     | 17097 ||| SWAPPING to +9 broad axe "Kosum" {antimagic,
                  | rC+}.
 17098 | D:14     | 17098 ||| SWAPPING to +6 heavy broad axe.
 17099 | D:14     | 17099 ||| SWAPPING to +9 broad axe "Kosum" {antimagic,
                  | rC+}.
 17100 | D:14     | 17100 ||| SWAPPING to +6 heavy broad axe.
 17101 | D:14     | 17101 ||| SWAPPING to +9 broad axe "Kosum" {antimagic,
                  | rC+}.
 17102 | D:14     | 17102 ||| SWAPPING to +6 heavy broad axe.
 17103 | D:14     | 17103 ||| SWAPPING to +9 broad axe "Kosum" {antimagic,
                  | rC+}.
 17104 | D:14     | 17104 ||| SWAPPING to +6 heavy broad axe.
 17105 | D:14     | 17105 ||| SWAPPING to +9 broad axe "Kosum" {antimagic,
                  | rC+}.
 17106 | D:14     | 17106 ||| SWAPPING to +6 heavy broad axe.
 17107 | D:14     | 17107 ||| SWAPPING to +9 broad axe "Kosum" {antimagic,
                  | rC+}.
 17108 | D:14     | 17108 ||| SWAPPING to +6 heavy broad axe.
 17109 | D:14     | 17109 ||| SWAPPING to +9 broad axe "Kosum" {antimagic,
                  | rC+}.
 17110 | D:14     | 17110 ||| SWAPPING to +6 heavy broad axe.
 17111 | D:14     | 17111 ||| SWAPPING to +9 broad axe "Kosum" {antimagic,
                  | rC+}.
 17112 | D:14     | 17112 ||| SWAPPING to +6 heavy broad axe.
 17113 | D:14     | 17113 ||| SWAPPING to +9 broad axe "Kosum" {antimagic,
                  | rC+}.
 17114 | D:14     | 17114 ||| SWAPPING to +6 heavy broad axe.
 17115 | D:14     | 17115 ||| SWAPPING to +9 broad axe "Kosum" {antimagic,
                  | rC+}.
 17116 | D:14     | 17116 ||| SWAPPING to +6 heavy broad axe.
 17117 | D:14     | 17117 ||| SWAPPING to +9 broad axe "Kosum" {antimagic,
                  | rC+}.
 17118 | D:14     | 17118 ||| SWAPPING to +6 heavy broad axe.
 17119 | D:14     | 17119 ||| SWAPPING to +9 broad axe "Kosum" {antimagic,
                  | rC+}.
 17120 | D:14     | 17120 ||| SWAPPING to +6 heavy broad axe.
 17121 | D:14     | 17121 ||| SWAPPING to +9 broad axe "Kosum" {antimagic,
                  | rC+}.
 17122 | D:14     | 17122 ||| SWAPPING to +6 heavy broad axe.
 17123 | D:14     | 17123 ||| SWAPPING to +9 broad axe "Kosum" {antimagic,
                  | rC+}.
 17124 | D:14     | 17124 ||| SWAPPING to +6 heavy broad axe.
 17125 | D:14     | 17125 ||| SWAPPING to +9 broad axe "Kosum" {antimagic,
                  | rC+}.
 17126 | D:14     | 17126 ||| SWAPPING to +6 heavy broad axe.
 17127 | D:14     | 17127 ||| SWAPPING to +9 broad axe "Kosum" {antimagic,
                  | rC+}.
 17128 | D:14     | 17128 ||| SWAPPING to +6 heavy broad axe.
 17129 | D:14     | 17129 ||| SWAPPING to +9 broad axe "Kosum" {antimagic,
                  | rC+}.
 17130 | D:14     | 17130 ||| SWAPPING to +6 heavy broad axe.
 17131 | D:14     | 17131 ||| SWAPPING to +9 broad axe "Kosum" {antimagic,
                  | rC+}.
 17132 | D:14     | 17132 ||| SWAPPING to +6 heavy broad axe.
 17133 | D:14     | 17133 ||| SWAPPING to +9 broad axe "Kosum" {antimagic,
                  | rC+}.
 17134 | D:14     | 17134 ||| SWAPPING to +6 heavy broad axe.
 17135 | D:14     | 17135 ||| SWAPPING to +9 broad axe "Kosum" {antimagic,
                  | rC+}.
 17136 | D:14     | 17136 ||| SWAPPING to +6 heavy broad axe.
 17137 | D:14     | 17137 ||| SWAPPING to +9 broad axe "Kosum" {antimagic,
                  | rC+}.
 17138 | D:14     | 17138 ||| SWAPPING to +6 heavy broad axe.
 17139 | D:14     | 17139 ||| SWAPPING to +9 broad axe "Kosum" {antimagic,
                  | rC+}.
 17140 | D:14     | 17140 ||| SWAPPING to +6 heavy broad axe.
 17141 | D:14     | 17141 ||| SWAPPING to +9 broad axe "Kosum" {antimagic,
                  | rC+}.
 17142 | D:14     | 17142 ||| SWAPPING to +6 heavy broad axe.
 17143 | D:14     | 17143 ||| SWAPPING to +9 broad axe "Kosum" {antimagic,
                  | rC+}.
 17144 | D:14     | 17144 ||| SWAPPING to +6 heavy broad axe.
 17145 | D:14     | 17145 ||| SWAPPING to +9 broad axe "Kosum" {antimagic,
                  | rC+}.
 17146 | D:14     | 17146 ||| SWAPPING to +6 heavy broad axe.
 17147 | D:14     | 17147 ||| SWAPPING to +9 broad axe "Kosum" {antimagic,
                  | rC+}.
 17148 | D:14     | 17148 ||| SWAPPING to +6 heavy broad axe.
 17149 | D:14     | 17149 ||| SWAPPING to +9 broad axe "Kosum" {antimagic,
                  | rC+}.
 17150 | D:14     | 17150 ||| SWAPPING to +6 heavy broad axe.
 17151 | D:14     | 17151 ||| SWAPPING to +9 broad axe "Kosum" {antimagic,
                  | rC+}.
 17152 | D:14     | 17152 ||| SWAPPING to +6 heavy broad axe.
 17153 | D:14     | 17153 ||| SWAPPING to +9 broad axe "Kosum" {antimagic,
                  | rC+}.
 17154 | D:14     | 17154 ||| SWAPPING to +6 heavy broad axe.
 17155 | D:14     | 17155 ||| SWAPPING to +9 broad axe "Kosum" {antimagic,
                  | rC+}.
 17156 | D:14     | 17156 ||| SWAPPING to +6 heavy broad axe.
 17157 | D:14     | 17157 ||| SWAPPING to +9 broad axe "Kosum" {antimagic,
                  | rC+}.
 17158 | D:14     | 17158 ||| SWAPPING to +6 heavy broad axe.
 17159 | D:14     | 17159 ||| SWAPPING to +9 broad axe "Kosum" {antimagic,
                  | rC+}.
 17160 | D:14     | 17160 ||| SWAPPING to +6 heavy broad axe.
 17161 | D:14     | 17161 ||| SWAPPING to +9 broad axe "Kosum" {antimagic,
                  | rC+}.
 17162 | D:14     | 17162 ||| SWAPPING to +6 heavy broad axe.
 17163 | D:14     | 17163 ||| SWAPPING to +9 broad axe "Kosum" {antimagic,
                  | rC+}.
 17164 | D:14     | 17164 ||| SWAPPING to +6 heavy broad axe.
 17165 | D:14     | 17165 ||| SWAPPING to +9 broad axe "Kosum" {antimagic,
                  | rC+}.
 17166 | D:14     | 17166 ||| SWAPPING to +6 heavy broad axe.
 17167 | D:14     | 17167 ||| SWAPPING to +9 broad axe "Kosum" {antimagic,
                  | rC+}.
 17168 | D:14     | 17168 ||| SWAPPING to +6 heavy broad axe.
 17169 | D:14     | 17169 ||| SWAPPING to +9 broad axe "Kosum" {antimagic,
                  | rC+}.
 17170 | D:14     | 17170 ||| SWAPPING to +6 heavy broad axe.
 17171 | D:14     | 17171 ||| SWAPPING to +9 broad axe "Kosum" {antimagic,
                  | rC+}.
 17172 | D:14     | 17172 ||| SWAPPING to +6 heavy broad axe.
 17173 | D:14     | 17173 ||| SWAPPING to +9 broad axe "Kosum" {antimagic,
                  | rC+}.
 17174 | D:14     | 17174 ||| SWAPPING to +6 heavy broad axe.
 17175 | D:14     | 17175 ||| SWAPPING to +9 broad axe "Kosum" {antimagic,
                  | rC+}.
 17176 | D:14     | 17176 ||| SWAPPING to +6 heavy broad axe.
 17177 | D:14     | 17177 ||| SWAPPING to +9 broad axe "Kosum" {antimagic,
                  | rC+}.
 17178 | D:14     | 17178 ||| SWAPPING to +6 heavy broad axe.
 17179 | D:14     | 17179 ||| SWAPPING to +9 broad axe "Kosum" {antimagic,
                  | rC+}.
 17180 | D:14     | 17180 ||| SWAPPING to +6 heavy broad axe.
 17181 | D:14     | 17181 ||| SWAPPING to +9 broad axe "Kosum" {antimagic,
                  | rC+}.
 17182 | D:14     | 17182 ||| SWAPPING to +6 heavy broad axe.
 17183 | D:14     | 17183 ||| SWAPPING to +9 broad axe "Kosum" {antimagic,
                  | rC+}.
 17184 | D:14     | 17184 ||| SWAPPING to +6 heavy broad axe.
 17185 | D:14     | 17185 ||| SWAPPING to +9 broad axe "Kosum" {antimagic,
                  | rC+}.
 17186 | D:14     | 17186 ||| SWAPPING to +6 heavy broad axe.
 17187 | D:14     | 17187 ||| SWAPPING to +9 broad axe "Kosum" {antimagic,
                  | rC+}.
 17188 | D:14     | 17188 ||| SWAPPING to +6 heavy broad axe.
 17189 | D:14     | 17189 ||| SWAPPING to +9 broad axe "Kosum" {antimagic,
                  | rC+}.
 17190 | D:14     | 17190 ||| SWAPPING to +6 heavy broad axe.
 17191 | D:14     | 17191 ||| SWAPPING to +9 broad axe "Kosum" {antimagic,
                  | rC+}.
 17192 | D:14     | 17192 ||| SWAPPING to +6 heavy broad axe.
 17193 | D:14     | 17193 ||| SWAPPING to +9 broad axe "Kosum" {antimagic,
                  | rC+}.
 17194 | D:14     | 17194 ||| SWAPPING to +6 heavy broad axe.
 17195 | D:14     | 17195 ||| SWAPPING to +9 broad axe "Kosum" {antimagic,
                  | rC+}.
 17196 | D:14     | 17196 ||| SWAPPING to +6 heavy broad axe.
 17197 | D:14     | 17197 ||| SWAPPING to +9 broad axe "Kosum" {antimagic,
                  | rC+}.
 17198 | D:14     | 17198 ||| SWAPPING to +6 heavy broad axe.
 17199 | D:14     | 17199 ||| SWAPPING to +9 broad axe "Kosum" {antimagic,
                  | rC+}.
 17200 | D:14     | 17200 ||| SWAPPING to +6 heavy broad axe.
 17201 | D:14     | 17201 ||| SWAPPING to +9 broad axe "Kosum" {antimagic,
                  | rC+}.
 17202 | D:14     | 17202 ||| SWAPPING to +6 heavy broad axe.
 17203 | D:14     | 17203 ||| SWAPPING to +9 broad axe "Kosum" {antimagic,
                  | rC+}.
 17204 | D:14     | 17204 ||| SWAPPING to +6 heavy broad axe.
 17205 | D:14     | 17205 ||| SWAPPING to +9 broad axe "Kosum" {antimagic,
                  | rC+}.
 17206 | D:14     | 17206 ||| SWAPPING to +6 heavy broad axe.
 17207 | D:14     | 17207 ||| SWAPPING to +9 broad axe "Kosum" {antimagic,
                  | rC+}.
 17208 | D:14     | 17208 ||| SWAPPING to +6 heavy broad axe.
 17209 | D:14     | 17209 ||| SWAPPING to +9 broad axe "Kosum" {antimagic,
                  | rC+}.
 17210 | D:14     | 17210 ||| SWAPPING to +6 heavy broad axe.
 17211 | D:14     | 17211 ||| SWAPPING to +9 broad axe "Kosum" {antimagic,
                  | rC+}.
 17212 | D:14     | 17212 ||| SWAPPING to +6 heavy broad axe.
 17213 | D:14     | 17213 ||| SWAPPING to +9 broad axe "Kosum" {antimagic,
                  | rC+}.
 17214 | D:14     | 17214 ||| SWAPPING to +6 heavy broad axe.
 17215 | D:14     | 17215 ||| SWAPPING to +9 broad axe "Kosum" {antimagic,
                  | rC+}.
 17216 | D:14     | 17216 ||| SWAPPING to +6 heavy broad axe.
 17217 | D:14     | 17217 ||| SWAPPING to +9 broad axe "Kosum" {antimagic,
                  | rC+}.
 17218 | D:14     | 17218 ||| SWAPPING to +6 heavy broad axe.
 17219 | D:14     | 17219 ||| SWAPPING to +9 broad axe "Kosum" {antimagic,
                  | rC+}.
 17220 | D:14     | 17220 ||| SWAPPING to +6 heavy broad axe.
 17221 | D:14     | 17221 ||| SWAPPING to +9 broad axe "Kosum" {antimagic,
                  | rC+}.
 17222 | D:14     | 17222 ||| SWAPPING to +6 heavy broad axe.
 17223 | D:14     | 17223 ||| SWAPPING to +9 broad axe "Kosum" {antimagic,
                  | rC+}.
 17224 | D:14     | 17224 ||| SWAPPING to +6 heavy broad axe.
 17225 | D:14     | 17225 ||| SWAPPING to +9 broad axe "Kosum" {antimagic,
                  | rC+}.
 17226 | D:14     | 17226 ||| SWAPPING to +6 heavy broad axe.
 17227 | D:14     | 17227 ||| SWAPPING to +9 broad axe "Kosum" {antimagic,
                  | rC+}.
 17228 | D:14     | 17228 ||| SWAPPING to +6 heavy broad axe.
 17229 | D:14     | 17229 ||| SWAPPING to +9 broad axe "Kosum" {antimagic,
                  | rC+}.
 17230 | D:14     | 17230 ||| SWAPPING to +6 heavy broad axe.
 17231 | D:14     | 17231 ||| SWAPPING to +9 broad axe "Kosum" {antimagic,
                  | rC+}.
 17232 | D:14     | 17232 ||| SWAPPING to +6 heavy broad axe.
 17233 | D:14     | 17233 ||| SWAPPING to +9 broad axe "Kosum" {antimagic,
                  | rC+}.
 17234 | D:14     | 17234 ||| SWAPPING to +6 heavy broad axe.
 17235 | D:14     | 17235 ||| SWAPPING to +9 broad axe "Kosum" {antimagic,
                  | rC+}.
 17236 | D:14     | 17236 ||| SWAPPING to +6 heavy broad axe.
 17237 | D:14     | 17237 ||| SWAPPING to +9 broad axe "Kosum" {antimagic,
                  | rC+}.
 17238 | D:14     | 17238 ||| SWAPPING to +6 heavy broad axe.
 17239 | D:14     | 17239 ||| SWAPPING to +9 broad axe "Kosum" {antimagic,
                  | rC+}.
 17240 | D:14     | 17240 ||| SWAPPING to +6 heavy broad axe.
 17241 | D:14     | 17241 ||| SWAPPING to +9 broad axe "Kosum" {antimagic,
                  | rC+}.
 17242 | D:14     | 17242 ||| SWAPPING to +6 heavy broad axe.
 17243 | D:14     | 17243 ||| SWAPPING to +9 broad axe "Kosum" {antimagic,
                  | rC+}.
 17244 | D:14     | 17244 ||| SWAPPING to +6 heavy broad axe.
 17245 | D:14     | 17245 ||| SWAPPING to +9 broad axe "Kosum" {antimagic,
                  | rC+}.
 17246 | D:14     | 17246 ||| SWAPPING to +6 heavy broad axe.
 17247 | D:14     | 17247 ||| SWAPPING to +9 broad axe "Kosum" {antimagic,
                  | rC+}.
 17248 | D:14     | 17248 ||| SWAPPING to +6 heavy broad axe.
 17249 | D:14     | 17249 ||| SWAPPING to +9 broad axe "Kosum" {antimagic,
                  | rC+}.
 17250 | D:14     | 17250 ||| SWAPPING to +6 heavy broad axe.
 17251 | D:14     | 17251 ||| SWAPPING to +9 broad axe "Kosum" {antimagic,
                  | rC+}.
 17252 | D:14     | 17252 ||| SWAPPING to +6 heavy broad axe.
 17253 | D:14     | 17253 ||| SWAPPING to +9 broad axe "Kosum" {antimagic,
                  | rC+}.
 17254 | D:14     | 17254 ||| SWAPPING to +6 heavy broad axe.
 17255 | D:14     | 17255 ||| SWAPPING to +9 broad axe "Kosum" {antimagic,
                  | rC+}.
 17256 | D:14     | 17256 ||| SWAPPING to +6 heavy broad axe.
 17257 | D:14     | 17257 ||| SWAPPING to +9 broad axe "Kosum" {antimagic,
                  | rC+}.
 17258 | D:14     | 17258 ||| SWAPPING to +6 heavy broad axe.
 17259 | D:14     | 17259 ||| SWAPPING to +9 broad axe "Kosum" {antimagic,
                  | rC+}.
 17260 | D:14     | 17260 ||| SWAPPING to +6 heavy broad axe.
 17261 | D:14     | 17261 ||| SWAPPING to +9 broad axe "Kosum" {antimagic,
                  | rC+}.
 17262 | D:14     | 17262 ||| SWAPPING to +6 heavy broad axe.
 17263 | D:14     | 17263 ||| SWAPPING to +9 broad axe "Kosum" {antimagic,
                  | rC+}.
 17264 | D:14     | 17264 ||| SWAPPING to +6 heavy broad axe.
 17265 | D:14     | 17265 ||| SWAPPING to +9 broad axe "Kosum" {antimagic,
                  | rC+}.
 17266 | D:14     | 17266 ||| SWAPPING to +6 heavy broad axe.
 17267 | D:14     | 17267 ||| SWAPPING to +9 broad axe "Kosum" {antimagic,
                  | rC+}.
 17268 | D:14     | 17268 ||| SWAPPING to +6 heavy broad axe.
 17269 | D:14     | 17269 ||| SWAPPING to +9 broad axe "Kosum" {antimagic,
                  | rC+}.
 17270 | D:14     | 17270 ||| SWAPPING to +6 heavy broad axe.
 17271 | D:14     | 17271 ||| SWAPPING to +9 broad axe "Kosum" {antimagic,
                  | rC+}.
 17272 | D:14     | 17272 ||| SWAPPING to +6 heavy broad axe.
 17273 | D:14     | 17273 ||| SWAPPING to +9 broad axe "Kosum" {antimagic,
                  | rC+}.
 17274 | D:14     | 17274 ||| SWAPPING to +6 heavy broad axe.
 17275 | D:14     | 17275 ||| SWAPPING to +9 broad axe "Kosum" {antimagic,
                  | rC+}.
 17276 | D:14     | 17276 ||| SWAPPING to +6 heavy broad axe.
 17277 | D:14     | 17277 ||| SWAPPING to +9 broad axe "Kosum" {antimagic,
                  | rC+}.
 17278 | D:14     | 17278 ||| SWAPPING to +6 heavy broad axe.
 17279 | D:14     | 17279 ||| SWAPPING to +9 broad axe "Kosum" {antimagic,
                  | rC+}.
 17280 | D:14     | 17280 ||| SWAPPING to +6 heavy broad axe.
 17281 | D:14     | 17281 ||| SWAPPING to +9 broad axe "Kosum" {antimagic,
                  | rC+}.
 17282 | D:14     | 17282 ||| SWAPPING to +6 heavy broad axe.
 17283 | D:14     | 17283 ||| SWAPPING to +9 broad axe "Kosum" {antimagic,
                  | rC+}.
 17284 | D:14     | 17284 ||| SWAPPING to +6 heavy broad axe.
 17285 | D:14     | 17285 ||| SWAPPING to +9 broad axe "Kosum" {antimagic,
                  | rC+}.
 17286 | D:14     | 17286 ||| SWAPPING to +6 heavy broad axe.
 17287 | D:14     | 17287 ||| SWAPPING to +9 broad axe "Kosum" {antimagic,
                  | rC+}.
 17288 | D:14     | 17288 ||| SWAPPING to +6 heavy broad axe.
 17289 | D:14     | 17289 ||| SWAPPING to +9 broad axe "Kosum" {antimagic,
                  | rC+}.
 17290 | D:14     | 17290 ||| SWAPPING to +6 heavy broad axe.
 17291 | D:14     | 17291 ||| SWAPPING to +9 broad axe "Kosum" {antimagic,
                  | rC+}.
 17292 | D:14     | 17292 ||| SWAPPING to +6 heavy broad axe.
 17293 | D:14     | 17293 ||| SWAPPING to +9 broad axe "Kosum" {antimagic,
                  | rC+}.
 17294 | D:14     | 17294 ||| SWAPPING to +6 heavy broad axe.
 17295 | D:14     | 17295 ||| SWAPPING to +9 broad axe "Kosum" {antimagic,
                  | rC+}.
 17296 | D:14     | 17296 ||| SWAPPING to +6 heavy broad axe.
 17297 | D:14     | 17297 ||| SWAPPING to +9 broad axe "Kosum" {antimagic,
                  | rC+}.
 17298 | D:14     | 17298 ||| SWAPPING to +6 heavy broad axe.
 17299 | D:14     | 17299 ||| SWAPPING to +9 broad axe "Kosum" {antimagic,
                  | rC+}.
 17300 | D:14     | 17300 ||| SWAPPING to +6 heavy broad axe.
 17301 | D:14     | 17301 ||| SWAPPING to +9 broad axe "Kosum" {antimagic,
                  | rC+}.
 17302 | D:14     | 17302 ||| SWAPPING to +6 heavy broad axe.
 17303 | D:14     | 17303 ||| SWAPPING to +9 broad axe "Kosum" {antimagic,
                  | rC+}.
 17304 | D:14     | 17304 ||| SWAPPING to +6 heavy broad axe.
 17305 | D:14     | 17305 ||| SWAPPING to +9 broad axe "Kosum" {antimagic,
                  | rC+}.
 17306 | D:14     | 17306 ||| SWAPPING to +6 heavy broad axe.
 17307 | D:14     | 17307 ||| SWAPPING to +9 broad axe "Kosum" {antimagic,
                  | rC+}.
 17308 | D:14     | 17308 ||| SWAPPING to +6 heavy broad axe.
 17309 | D:14     | 17309 ||| SWAPPING to +9 broad axe "Kosum" {antimagic,
                  | rC+}.
 17310 | D:14     | 17310 ||| SWAPPING to +6 heavy broad axe.
 17311 | D:14     | 17311 ||| SWAPPING to +9 broad axe "Kosum" {antimagic,
                  | rC+}.
 17312 | D:14     | 17312 ||| SWAPPING to +6 heavy broad axe.
 17313 | D:14     | 17313 ||| SWAPPING to +9 broad axe "Kosum" {antimagic,
                  | rC+}.
 17314 | D:14     | 17314 ||| SWAPPING to +6 heavy broad axe.
 17315 | D:14     | 17315 ||| SWAPPING to +9 broad axe "Kosum" {antimagic,
                  | rC+}.
 17316 | D:14     | 17316 ||| SWAPPING to +6 heavy broad axe.
 17317 | D:14     | 17317 ||| SWAPPING to +9 broad axe "Kosum" {antimagic,
                  | rC+}.
 17318 | D:14     | 17318 ||| SWAPPING to +6 heavy broad axe.
 17319 | D:14     | 17319 ||| SWAPPING to +9 broad axe "Kosum" {antimagic,
                  | rC+}.
 17320 | D:14     | 17320 ||| SWAPPING to +6 heavy broad axe.
 17321 | D:14     | 17321 ||| SWAPPING to +9 broad axe "Kosum" {antimagic,
                  | rC+}.
 17322 | D:14     | 17322 ||| SWAPPING to +6 heavy broad axe.
 17323 | D:14     | 17323 ||| SWAPPING to +9 broad axe "Kosum" {antimagic,
                  | rC+}.
 17324 | D:14     | 17324 ||| SWAPPING to +6 heavy broad axe.
 17325 | D:14     | 17325 ||| SWAPPING to +9 broad axe "Kosum" {antimagic,
                  | rC+}.
 17326 | D:14     | 17326 ||| SWAPPING to +6 heavy broad axe.
 17327 | D:14     | 17327 ||| SWAPPING to +9 broad axe "Kosum" {antimagic,
                  | rC+}.
 17328 | D:14     | 17328 ||| SWAPPING to +6 heavy broad axe.
 17329 | D:14     | 17329 ||| SWAPPING to +9 broad axe "Kosum" {antimagic,
                  | rC+}.
 17330 | D:14     | 17330 ||| SWAPPING to +6 heavy broad axe.
 17330 | D:14     | 17330 ||| RIP GAUNTLET
 17331 | D:14     | 17331 ||| PLANNING D
 17331 | D:14     | 17331 ||| SWAPPING to +9 broad axe "Kosum" {antimagic,
                  | rC+}.
 17332 | D:14     | 17332 ||| SWAPPING to +6 heavy broad axe.
 17333 | D:14     | 17333 ||| SWAPPING to +9 broad axe "Kosum" {antimagic,
                  | rC+}.
 17334 | D:14     | 17334 ||| SWAPPING to +6 heavy broad axe.
 17335 | D:14     | 17335 ||| SWAPPING to +9 broad axe "Kosum" {antimagic,
                  | rC+}.
 17336 | D:14     | 17336 ||| SWAPPING to +6 heavy broad axe.
 17337 | D:14     | 17337 ||| SWAPPING to +9 broad axe "Kosum" {antimagic,
                  | rC+}.
 17338 | D:14     | 17338 ||| SWAPPING to +6 heavy broad axe.
 17339 | D:14     | 17339 ||| SWAPPING to +9 broad axe "Kosum" {antimagic,
                  | rC+}.
 17340 | D:14     | 17340 ||| SWAPPING to +6 heavy broad axe.
 17341 | D:14     | 17341 ||| SWAPPING to +9 broad axe "Kosum" {antimagic,
                  | rC+}.
 17342 | D:14     | 17342 ||| SWAPPING to +6 heavy broad axe.
 17343 | D:14     | 17343 ||| SWAPPING to +9 broad axe "Kosum" {antimagic,
                  | rC+}.
 17344 | D:14     | 17344 ||| SWAPPING to +6 heavy broad axe.
 17345 | D:14     | 17345 ||| SWAPPING to +9 broad axe "Kosum" {antimagic,
                  | rC+}.
 17346 | D:14     | 17346 ||| SWAPPING to +6 heavy broad axe.
 17347 | D:14     | 17347 ||| SWAPPING to +9 broad axe "Kosum" {antimagic,
                  | rC+}.
 17348 | D:14     | 17348 ||| SWAPPING to +6 heavy broad axe.
 17349 | D:14     | 17349 ||| SWAPPING to +9 broad axe "Kosum" {antimagic,
                  | rC+}.
 17350 | D:14     | 17350 ||| SWAPPING to +6 heavy broad axe.
 17351 | D:14     | 17351 ||| SWAPPING to +9 broad axe "Kosum" {antimagic,
                  | rC+}.
 17352 | D:14     | 17352 ||| SWAPPING to +6 heavy broad axe.
 17353 | D:14     | 17353 ||| SWAPPING to +9 broad axe "Kosum" {antimagic,
                  | rC+}.
 17354 | D:14     | 17354 ||| SWAPPING to +6 heavy broad axe.
 17355 | D:14     | 17355 ||| SWAPPING to +9 broad axe "Kosum" {antimagic,
                  | rC+}.
 17356 | D:14     | 17356 ||| SWAPPING to +6 heavy broad axe.
 17357 | D:14     | 17357 ||| SWAPPING to +9 broad axe "Kosum" {antimagic,
                  | rC+}.
 17358 | D:14     | 17358 ||| SWAPPING to +6 heavy broad axe.
 17359 | D:14     | 17359 ||| SWAPPING to +9 broad axe "Kosum" {antimagic,
                  | rC+}.
 17360 | D:14     | 17360 ||| SWAPPING to +6 heavy broad axe.
 17361 | D:14     | 17361 ||| SWAPPING to +9 broad axe "Kosum" {antimagic,
                  | rC+}.
 17362 | D:14     | 17362 ||| SWAPPING to +6 heavy broad axe.
 17363 | D:14     | 17363 ||| SWAPPING to +9 broad axe "Kosum" {antimagic,
                  | rC+}.
 17364 | D:14     | 17364 ||| SWAPPING to +6 heavy broad axe.
 17365 | D:14     | 17365 ||| SWAPPING to +9 broad axe "Kosum" {antimagic,
                  | rC+}.
 17366 | D:14     | 17366 ||| SWAPPING to +6 heavy broad axe.
 17367 | D:14     | 17367 ||| SWAPPING to +9 broad axe "Kosum" {antimagic,
                  | rC+}.
 17368 | D:14     | 17368 ||| SWAPPING to +6 heavy broad axe.
 17369 | D:14     | 17369 ||| SWAPPING to +9 broad axe "Kosum" {antimagic,
                  | rC+}.
 17370 | D:14     | 17370 ||| SWAPPING to +6 heavy broad axe.
 17371 | D:14     | 17371 ||| SWAPPING to +9 broad axe "Kosum" {antimagic,
                  | rC+}.
 17372 | D:14     | 17372 ||| SWAPPING to +6 heavy broad axe.
 17373 | D:14     | 17373 ||| SWAPPING to +9 broad axe "Kosum" {antimagic,
                  | rC+}.
 17374 | D:14     | 17374 ||| SWAPPING to +6 heavy broad axe.
 17375 | D:14     | 17375 ||| SWAPPING to +9 broad axe "Kosum" {antimagic,
                  | rC+}.
 17376 | D:14     | 17376 ||| SWAPPING to +6 heavy broad axe.
 17377 | D:14     | 17377 ||| SWAPPING to +9 broad axe "Kosum" {antimagic,
                  | rC+}.
 17378 | D:14     | 17378 ||| SWAPPING to +6 heavy broad axe.
 17379 | D:14     | 17379 ||| SWAPPING to +9 broad axe "Kosum" {antimagic,
                  | rC+}.
 17380 | D:14     | 17380 ||| SWAPPING to +6 heavy broad axe.
 17381 | D:14     | 17381 ||| SWAPPING to +9 broad axe "Kosum" {antimagic,
                  | rC+}.
 17382 | D:14     | 17382 ||| SWAPPING to +6 heavy broad axe.
 17383 | D:14     | 17383 ||| SWAPPING to +9 broad axe "Kosum" {antimagic,
                  | rC+}.
 17384 | D:14     | 17384 ||| SWAPPING to +6 heavy broad axe.
 17385 | D:14     | 17385 ||| SWAPPING to +9 broad axe "Kosum" {antimagic,
                  | rC+}.
 17386 | D:14     | 17386 ||| SWAPPING to +6 heavy broad axe.
 17387 | D:14     | 17387 ||| SWAPPING to +9 broad axe "Kosum" {antimagic,
                  | rC+}.
 17388 | D:14     | 17388 ||| SWAPPING to +6 heavy broad axe.
 17389 | D:14     | 17389 ||| SWAPPING to +9 broad axe "Kosum" {antimagic,
                  | rC+}.
 17390 | D:14     | 17390 ||| SWAPPING to +6 heavy broad axe.
 17391 | D:14     | 17391 ||| SWAPPING to +9 broad axe "Kosum" {antimagic,
                  | rC+}.
 17392 | D:14     | 17392 ||| SWAPPING to +6 heavy broad axe.
 17393 | D:14     | 17393 ||| SWAPPING to +9 broad axe "Kosum" {antimagic,
                  | rC+}.
 17394 | D:14     | 17394 ||| SWAPPING to +6 heavy broad axe.
 17395 | D:14     | 17395 ||| SWAPPING to +9 broad axe "Kosum" {antimagic,
                  | rC+}.
 17396 | D:14     | 17396 ||| SWAPPING to +6 heavy broad axe.
 17397 | D:14     | 17397 ||| SWAPPING to +9 broad axe "Kosum" {antimagic,
                  | rC+}.
 17398 | D:14     | 17398 ||| SWAPPING to +6 heavy broad axe.
 17399 | D:14     | 17399 ||| SWAPPING to +9 broad axe "Kosum" {antimagic,
                  | rC+}.
 17400 | D:14     | 17400 ||| SWAPPING to +6 heavy broad axe.
 17401 | D:14     | 17401 ||| SWAPPING to +9 broad axe "Kosum" {antimagic,
                  | rC+}.
 17402 | D:14     | 17402 ||| SWAPPING to +6 heavy broad axe.
 17403 | D:14     | 17403 ||| SWAPPING to +9 broad axe "Kosum" {antimagic,
                  | rC+}.
 17404 | D:14     | 17404 ||| SWAPPING to +6 heavy broad axe.
 17405 | D:14     | 17405 ||| SWAPPING to +9 broad axe "Kosum" {antimagic,
                  | rC+}.
 17406 | D:14     | 17406 ||| SWAPPING to +6 heavy broad axe.
 17407 | D:14     | 17407 ||| SWAPPING to +9 broad axe "Kosum" {antimagic,
                  | rC+}.
 17408 | D:14     | 17408 ||| SWAPPING to +6 heavy broad axe.
 17409 | D:14     | 17409 ||| SWAPPING to +9 broad axe "Kosum" {antimagic,
                  | rC+}.
 17410 | D:14     | 17410 ||| SWAPPING to +6 heavy broad axe.
 17411 | D:14     | 17411 ||| SWAPPING to +9 broad axe "Kosum" {antimagic,
                  | rC+}.
 17412 | D:14     | 17412 ||| SWAPPING to +6 heavy broad axe.
 17413 | D:14     | 17413 ||| SWAPPING to +9 broad axe "Kosum" {antimagic,
                  | rC+}.
 17414 | D:14     | 17414 ||| SWAPPING to +6 heavy broad axe.
 17415 | D:14     | 17415 ||| SWAPPING to +9 broad axe "Kosum" {antimagic,
                  | rC+}.
 17416 | D:14     | 17416 ||| SWAPPING to +6 heavy broad axe.
 17417 | D:14     | 17417 ||| SWAPPING to +9 broad axe "Kosum" {antimagic,
                  | rC+}.
 17418 | D:14     | 17418 ||| SWAPPING to +6 heavy broad axe.
 17419 | D:14     | 17419 ||| SWAPPING to +9 broad axe "Kosum" {antimagic,
                  | rC+}.
 17420 | D:14     | 17420 ||| SWAPPING to +6 heavy broad axe.
 17421 | D:14     | 17421 ||| SWAPPING to +9 broad axe "Kosum" {antimagic,
                  | rC+}.
 17422 | D:14     | 17422 ||| SWAPPING to +6 heavy broad axe.
 17423 | D:14     | 17423 ||| SWAPPING to +9 broad axe "Kosum" {antimagic,
                  | rC+}.
 17424 | D:14     | 17424 ||| SWAPPING to +6 heavy broad axe.
 17425 | D:14     | 17425 ||| SWAPPING to +9 broad axe "Kosum" {antimagic,
                  | rC+}.
 17426 | D:14     | 17426 ||| SWAPPING to +6 heavy broad axe.
 17427 | D:14     | 17427 ||| SWAPPING to +9 broad axe "Kosum" {antimagic,
                  | rC+}.
 17428 | D:14     | 17428 ||| SWAPPING to +6 heavy broad axe.
 17429 | D:14     | 17429 ||| SWAPPING to +9 broad axe "Kosum" {antimagic,
                  | rC+}.
 17430 | D:14     | 17430 ||| SWAPPING to +6 heavy broad axe.
 17431 | D:14     | 17431 ||| SWAPPING to +9 broad axe "Kosum" {antimagic,
                  | rC+}.
 17432 | D:14     | 17432 ||| SWAPPING to +6 heavy broad axe.
 17433 | D:14     | 17433 ||| SWAPPING to +9 broad axe "Kosum" {antimagic,
                  | rC+}.
 17434 | D:14     | 17434 ||| SWAPPING to +6 heavy broad axe.
 17435 | D:14     | 17435 ||| SWAPPING to +9 broad axe "Kosum" {antimagic,
                  | rC+}.
 17436 | D:14     | 17436 ||| SWAPPING to +6 heavy broad axe.
 17437 | D:14     | 17437 ||| SWAPPING to +9 broad axe "Kosum" {antimagic,
                  | rC+}.
 17438 | D:14     | 17438 ||| SWAPPING to +6 heavy broad axe.
 17439 | D:14     | 17439 ||| SWAPPING to +9 broad axe "Kosum" {antimagic,
                  | rC+}.
 17440 | D:14     | 17440 ||| SWAPPING to +6 heavy broad axe.
 17441 | D:14     | 17441 ||| SWAPPING to +9 broad axe "Kosum" {antimagic,
                  | rC+}.
 17442 | D:14     | 17442 ||| SWAPPING to +6 heavy broad axe.
 17443 | D:14     | 17443 ||| SWAPPING to +9 broad axe "Kosum" {antimagic,
                  | rC+}.
 17444 | D:14     | 17444 ||| SWAPPING to +6 heavy broad axe.
 17445 | D:14     | 17445 ||| SWAPPING to +9 broad axe "Kosum" {antimagic,
                  | rC+}.
 17446 | D:14     | 17446 ||| SWAPPING to +6 heavy broad axe.
 17447 | D:14     | 17447 ||| SWAPPING to +9 broad axe "Kosum" {antimagic,
                  | rC+}.
 17448 | D:14     | 17448 ||| SWAPPING to +6 heavy broad axe.
 17449 | D:14     | 17449 ||| SWAPPING to +9 broad axe "Kosum" {antimagic,
                  | rC+}.
 17450 | D:14     | 17450 ||| SWAPPING to +6 heavy broad axe.
 17451 | D:14     | 17451 ||| SWAPPING to +9 broad axe "Kosum" {antimagic,
                  | rC+}.
 17452 | D:14     | 17452 ||| SWAPPING to +6 heavy broad axe.
 17453 | D:14     | 17453 ||| SWAPPING to +9 broad axe "Kosum" {antimagic,
                  | rC+}.
 17454 | D:14     | 17454 ||| SWAPPING to +6 heavy broad axe.
 17455 | D:14     | 17455 ||| SWAPPING to +9 broad axe "Kosum" {antimagic,
                  | rC+}.
 17456 | D:14     | 17456 ||| SWAPPING to +6 heavy broad axe.
 17457 | D:14     | 17457 ||| SWAPPING to +9 broad axe "Kosum" {antimagic,
                  | rC+}.
 17458 | D:14     | 17458 ||| SWAPPING to +6 heavy broad axe.
 17459 | D:14     | 17459 ||| SWAPPING to +9 broad axe "Kosum" {antimagic,
                  | rC+}.
 17460 | D:14     | 17460 ||| SWAPPING to +6 heavy broad axe.
 17461 | D:14     | 17461 ||| SWAPPING to +9 broad axe "Kosum" {antimagic,
                  | rC+}.
 17462 | D:14     | 17462 ||| SWAPPING to +6 heavy broad axe.
 17463 | D:14     | 17463 ||| SWAPPING to +9 broad axe "Kosum" {antimagic,
                  | rC+}.
 17464 | D:14     | 17464 ||| SWAPPING to +6 heavy broad axe.
 17465 | D:14     | 17465 ||| SWAPPING to +9 broad axe "Kosum" {antimagic,
                  | rC+}.
 17466 | D:14     | 17466 ||| SWAPPING to +6 heavy broad axe.
 17467 | D:14     | 17467 ||| SWAPPING to +9 broad axe "Kosum" {antimagic,
                  | rC+}.
 17468 | D:14     | 17468 ||| SWAPPING to +6 heavy broad axe.
 17469 | D:14     | 17469 ||| SWAPPING to +9 broad axe "Kosum" {antimagic,
                  | rC+}.
 17470 | D:14     | 17470 ||| SWAPPING to +6 heavy broad axe.
 17471 | D:14     | 17471 ||| SWAPPING to +9 broad axe "Kosum" {antimagic,
                  | rC+}.
 17472 | D:14     | 17472 ||| SWAPPING to +6 heavy broad axe.
 17473 | D:14     | 17473 ||| SWAPPING to +9 broad axe "Kosum" {antimagic,
                  | rC+}.
 17474 | D:14     | 17474 ||| SWAPPING to +6 heavy broad axe.
 17475 | D:14     | 17475 ||| SWAPPING to +9 broad axe "Kosum" {antimagic,
                  | rC+}.
 17476 | D:14     | 17476 ||| SWAPPING to +6 heavy broad axe.
 17477 | D:14     | 17477 ||| SWAPPING to +9 broad axe "Kosum" {antimagic,
                  | rC+}.
 17478 | D:14     | 17478 ||| SWAPPING to +6 heavy broad axe.
 17479 | D:14     | 17479 ||| SWAPPING to +9 broad axe "Kosum" {antimagic,
                  | rC+}.
 17480 | D:14     | 17480 ||| SWAPPING to +6 heavy broad axe.
 17481 | D:14     | 17481 ||| SWAPPING to +9 broad axe "Kosum" {antimagic,
                  | rC+}.
 17482 | D:14     | 17482 ||| SWAPPING to +6 heavy broad axe.
 17483 | D:14     | 17483 ||| SWAPPING to +9 broad axe "Kosum" {antimagic,
                  | rC+}.
 17484 | D:14     | 17484 ||| SWAPPING to +6 heavy broad axe.
 17485 | D:14     | 17485 ||| SWAPPING to +9 broad axe "Kosum" {antimagic,
                  | rC+}.
 17486 | D:14     | 17486 ||| SWAPPING to +6 heavy broad axe.
 17487 | D:14     | 17487 ||| SWAPPING to +9 broad axe "Kosum" {antimagic,
                  | rC+}.
 17488 | D:14     | 17488 ||| SWAPPING to +6 heavy broad axe.
 17489 | D:14     | 17489 ||| SWAPPING to +9 broad axe "Kosum" {antimagic,
                  | rC+}.
 17490 | D:14     | 17490 ||| SWAPPING to +6 heavy broad axe.
 17491 | D:14     | 17491 ||| SWAPPING to +9 broad axe "Kosum" {antimagic,
                  | rC+}.
 17492 | D:14     | 17492 ||| SWAPPING to +6 heavy broad axe.
 17493 | D:14     | 17493 ||| SWAPPING to +9 broad axe "Kosum" {antimagic,
                  | rC+}.
 17494 | D:14     | 17494 ||| SWAPPING to +6 heavy broad axe.
 17495 | D:14     | 17495 ||| SWAPPING to +9 broad axe "Kosum" {antimagic,
                  | rC+}.
 17496 | D:14     | 17496 ||| SWAPPING to +6 heavy broad axe.
 17497 | D:14     | 17497 ||| SWAPPING to +9 broad axe "Kosum" {antimagic,
                  | rC+}.
 17498 | D:14     | 17498 ||| SWAPPING to +6 heavy broad axe.
 17499 | D:14     | 17499 ||| SWAPPING to +9 broad axe "Kosum" {antimagic,
                  | rC+}.
 17500 | D:14     | 17500 ||| SWAPPING to +6 heavy broad axe.
 17501 | D:14     | 17501 ||| SWAPPING to +9 broad axe "Kosum" {antimagic,
                  | rC+}.
 17502 | D:14     | 17502 ||| SWAPPING to +6 heavy broad axe.
 17503 | D:14     | 17503 ||| SWAPPING to +9 broad axe "Kosum" {antimagic,
                  | rC+}.
 17504 | D:14     | 17504 ||| SWAPPING to +6 heavy broad axe.
 17505 | D:14     | 17505 ||| SWAPPING to +9 broad axe "Kosum" {antimagic,
                  | rC+}.
 17506 | D:14     | 17506 ||| SWAPPING to +6 heavy broad axe.
 17507 | D:14     | 17507 ||| SWAPPING to +9 broad axe "Kosum" {antimagic,
                  | rC+}.
 17508 | D:14     | 17508 ||| SWAPPING to +6 heavy broad axe.
 17509 | D:14     | 17509 ||| SWAPPING to +9 broad axe "Kosum" {antimagic,
                  | rC+}.
 17510 | D:14     | 17510 ||| SWAPPING to +6 heavy broad axe.
 17511 | D:14     | 17511 ||| SWAPPING to +9 broad axe "Kosum" {antimagic,
                  | rC+}.
 17512 | D:14     | 17512 ||| SWAPPING to +6 heavy broad axe.
 17513 | D:14     | 17513 ||| SWAPPING to +9 broad axe "Kosum" {antimagic,
                  | rC+}.
 17514 | D:14     | 17514 ||| SWAPPING to +6 heavy broad axe.
 17515 | D:14     | 17515 ||| SWAPPING to +9 broad axe "Kosum" {antimagic,
                  | rC+}.
 17516 | D:14     | 17516 ||| SWAPPING to +6 heavy broad axe.
 17517 | D:14     | 17517 ||| SWAPPING to +9 broad axe "Kosum" {antimagic,
                  | rC+}.
 17518 | D:14     | 17518 ||| SWAPPING to +6 heavy broad axe.
 17519 | D:14     | 17519 ||| SWAPPING to +9 broad axe "Kosum" {antimagic,
                  | rC+}.
 17520 | D:14     | 17520 ||| SWAPPING to +6 heavy broad axe.
 17521 | D:14     | 17521 ||| SWAPPING to +9 broad axe "Kosum" {antimagic,
                  | rC+}.
 17522 | D:14     | 17522 ||| SWAPPING to +6 heavy broad axe.
 17523 | D:14     | 17523 ||| SWAPPING to +9 broad axe "Kosum" {antimagic,
                  | rC+}.
 17524 | D:14     | 17524 ||| SWAPPING to +6 heavy broad axe.
 17525 | D:14     | 17525 ||| SWAPPING to +9 broad axe "Kosum" {antimagic,
                  | rC+}.
 17526 | D:14     | 17526 ||| SWAPPING to +6 heavy broad axe.
 17527 | D:14     | 17527 ||| SWAPPING to +9 broad axe "Kosum" {antimagic,
                  | rC+}.
 17528 | D:14     | 17528 ||| SWAPPING to +6 heavy broad axe.
 17529 | D:14     | 17529 ||| SWAPPING to +9 broad axe "Kosum" {antimagic,
                  | rC+}.
 17530 | D:14     | 17530 ||| SWAPPING to +6 heavy broad axe.
 17531 | D:14     | 17531 ||| SWAPPING to +9 broad axe "Kosum" {antimagic,
                  | rC+}.
 17532 | D:14     | 17532 ||| SWAPPING to +6 heavy broad axe.
 17533 | D:14     | 17533 ||| SWAPPING to +9 broad axe "Kosum" {antimagic,
                  | rC+}.
 17534 | D:14     | 17534 ||| SWAPPING to +6 heavy broad axe.
 17535 | D:14     | 17535 ||| SWAPPING to +9 broad axe "Kosum" {antimagic,
                  | rC+}.
 17536 | D:14     | 17536 ||| SWAPPING to +6 heavy broad axe.
 17537 | D:14     | 17537 ||| SWAPPING to +9 broad axe "Kosum" {antimagic,
                  | rC+}.
 17538 | D:14     | 17538 ||| SWAPPING to +6 heavy broad axe.
 17539 | D:14     | 17539 ||| SWAPPING to +9 broad axe "Kosum" {antimagic,
                  | rC+}.
 17540 | D:14     | 17540 ||| SWAPPING to +6 heavy broad axe.
 17541 | D:14     | 17541 ||| SWAPPING to +9 broad axe "Kosum" {antimagic,
                  | rC+}.
 17542 | D:14     | 17542 ||| SWAPPING to +6 heavy broad axe.
 17543 | D:14     | 17543 ||| SWAPPING to +9 broad axe "Kosum" {antimagic,
                  | rC+}.
 17544 | D:14     | 17544 ||| SWAPPING to +6 heavy broad axe.
 17545 | D:14     | 17545 ||| SWAPPING to +9 broad axe "Kosum" {antimagic,
                  | rC+}.
 17546 | D:14     | 17546 ||| SWAPPING to +6 heavy broad axe.
 17547 | D:14     | 17547 ||| SWAPPING to +9 broad axe "Kosum" {antimagic,
                  | rC+}.
 17548 | D:14     | 17548 ||| SWAPPING to +6 heavy broad axe.
 17549 | D:14     | 17549 ||| SWAPPING to +9 broad axe "Kosum" {antimagic,
                  | rC+}.
 17550 | D:14     | 17550 ||| SWAPPING to +6 heavy broad axe.
 17551 | D:14     | 17551 ||| SWAPPING to +9 broad axe "Kosum" {antimagic,
                  | rC+}.
 17552 | D:14     | 17552 ||| SWAPPING to +6 heavy broad axe.
 17553 | D:14     | 17553 ||| SWAPPING to +9 broad axe "Kosum" {antimagic,
                  | rC+}.
 17554 | D:14     | 17554 ||| SWAPPING to +6 heavy broad axe.
 17555 | D:14     | 17555 ||| SWAPPING to +9 broad axe "Kosum" {antimagic,
                  | rC+}.
 17556 | D:14     | 17556 ||| SWAPPING to +6 heavy broad axe.
 17557 | D:14     | 17557 ||| SWAPPING to +9 broad axe "Kosum" {antimagic,
                  | rC+}.
 17558 | D:14     | 17558 ||| SWAPPING to +6 heavy broad axe.
 17559 | D:14     | 17559 ||| SWAPPING to +9 broad axe "Kosum" {antimagic,
                  | rC+}.
 17560 | D:14     | 17560 ||| SWAPPING to +6 heavy broad axe.
 17561 | D:14     | 17561 ||| SWAPPING to +9 broad axe "Kosum" {antimagic,
                  | rC+}.
 17562 | D:14     | 17562 ||| SWAPPING to +6 heavy broad axe.
 17563 | D:14     | 17563 ||| SWAPPING to +9 broad axe "Kosum" {antimagic,
                  | rC+}.
 17564 | D:14     | 17564 ||| SWAPPING to +6 heavy broad axe.
 17565 | D:14     | 17565 ||| SWAPPING to +9 broad axe "Kosum" {antimagic,
                  | rC+}.
 17566 | D:14     | 17566 ||| SWAPPING to +6 heavy broad axe.
 17567 | D:14     | 17567 ||| SWAPPING to +9 broad axe "Kosum" {antimagic,
                  | rC+}.
 17568 | D:14     | 17568 ||| SWAPPING to +6 heavy broad axe.
 17569 | D:14     | 17569 ||| SWAPPING to +9 broad axe "Kosum" {antimagic,
                  | rC+}.
 17570 | D:14     | 17570 ||| SWAPPING to +6 heavy broad axe.
 17571 | D:14     | 17571 ||| SWAPPING to +9 broad axe "Kosum" {antimagic,
                  | rC+}.
 17572 | D:14     | 17572 ||| SWAPPING to +6 heavy broad axe.
 17573 | D:14     | 17573 ||| SWAPPING to +9 broad axe "Kosum" {antimagic,
                  | rC+}.
 17574 | D:14     | 17574 ||| SWAPPING to +6 heavy broad axe.
 17575 | D:14     | 17575 ||| SWAPPING to +9 broad axe "Kosum" {antimagic,
                  | rC+}.
 17576 | D:14     | 17576 ||| SWAPPING to +6 heavy broad axe.
 17577 | D:14     | 17577 ||| SWAPPING to +9 broad axe "Kosum" {antimagic,
                  | rC+}.
 17578 | D:14     | 17578 ||| SWAPPING to +6 heavy broad axe.
 17579 | D:14     | 17579 ||| SWAPPING to +9 broad axe "Kosum" {antimagic,
                  | rC+}.
 17580 | D:14     | 17580 ||| SWAPPING to +6 heavy broad axe.
 17581 | D:14     | 17581 ||| SWAPPING to +9 broad axe "Kosum" {antimagic,
                  | rC+}.
 17582 | D:14     | 17582 ||| SWAPPING to +6 heavy broad axe.
 17583 | D:14     | 17583 ||| SWAPPING to +9 broad axe "Kosum" {antimagic,
                  | rC+}.
 17584 | D:14     | 17584 ||| SWAPPING to +6 heavy broad axe.
 17585 | D:14     | 17585 ||| SWAPPING to +9 broad axe "Kosum" {antimagic,
                  | rC+}.
 17586 | D:14     | 17586 ||| SWAPPING to +6 heavy broad axe.
 17587 | D:14     | 17587 ||| SWAPPING to +9 broad axe "Kosum" {antimagic,
                  | rC+}.
 17588 | D:14     | 17588 ||| SWAPPING to +6 heavy broad axe.
 17589 | D:14     | 17589 ||| SWAPPING to +9 broad axe "Kosum" {antimagic,
                  | rC+}.
 17590 | D:14     | 17590 ||| SWAPPING to +6 heavy broad axe.
 17591 | D:14     | 17591 ||| SWAPPING to +9 broad axe "Kosum" {antimagic,
                  | rC+}.
 17592 | D:14     | 17592 ||| SWAPPING to +6 heavy broad axe.
 17593 | D:14     | 17593 ||| SWAPPING to +9 broad axe "Kosum" {antimagic,
                  | rC+}.
 17594 | D:14     | 17594 ||| SWAPPING to +6 heavy broad axe.
 17595 | D:14     | 17595 ||| SWAPPING to +9 broad axe "Kosum" {antimagic,
                  | rC+}.
 17596 | D:14     | 17596 ||| SWAPPING to +6 heavy broad axe.
 17597 | D:14     | 17597 ||| SWAPPING to +9 broad axe "Kosum" {antimagic,
                  | rC+}.
 17598 | D:14     | 17598 ||| SWAPPING to +6 heavy broad axe.
 17599 | D:14     | 17599 ||| SWAPPING to +9 broad axe "Kosum" {antimagic,
                  | rC+}.
 17600 | D:14     | 17600 ||| SWAPPING to +6 heavy broad axe.
 17601 | D:14     | 17601 ||| SWAPPING to +9 broad axe "Kosum" {antimagic,
                  | rC+}.
 17602 | D:14     | 17602 ||| SWAPPING to +6 heavy broad axe.
 17603 | D:14     | 17603 ||| SWAPPING to +9 broad axe "Kosum" {antimagic,
                  | rC+}.
 17604 | D:14     | 17604 ||| SWAPPING to +6 heavy broad axe.
 17605 | D:14     | 17605 ||| SWAPPING to +9 broad axe "Kosum" {antimagic,
                  | rC+}.
 17606 | D:14     | 17606 ||| SWAPPING to +6 heavy broad axe.
 17607 | D:14     | 17607 ||| SWAPPING to +9 broad axe "Kosum" {antimagic,
                  | rC+}.
 17608 | D:14     | 17608 ||| SWAPPING to +6 heavy broad axe.
 17609 | D:14     | 17609 ||| SWAPPING to +9 broad axe "Kosum" {antimagic,
                  | rC+}.
 17610 | D:14     | 17610 ||| SWAPPING to +6 heavy broad axe.
 17611 | D:14     | 17611 ||| SWAPPING to +9 broad axe "Kosum" {antimagic,
                  | rC+}.
 17612 | D:14     | 17612 ||| SWAPPING to +6 heavy broad axe.
 17613 | D:14     | 17613 ||| SWAPPING to +9 broad axe "Kosum" {antimagic,
                  | rC+}.
 17614 | D:14     | 17614 ||| SWAPPING to +6 heavy broad axe.
 17615 | D:14     | 17615 ||| SWAPPING to +9 broad axe "Kosum" {antimagic,
                  | rC+}.
 17616 | D:14     | 17616 ||| SWAPPING to +6 heavy broad axe.
 17617 | D:14     | 17617 ||| SWAPPING to +9 broad axe "Kosum" {antimagic,
                  | rC+}.
 17618 | D:14     | 17618 ||| SWAPPING to +6 heavy broad axe.
 17619 | D:14     | 17619 ||| SWAPPING to +9 broad axe "Kosum" {antimagic,
                  | rC+}.
 17620 | D:14     | 17620 ||| SWAPPING to +6 heavy broad axe.
 17621 | D:14     | 17621 ||| SWAPPING to +9 broad axe "Kosum" {antimagic,
                  | rC+}.
 17622 | D:14     | 17622 ||| SWAPPING to +6 heavy broad axe.
 17623 | D:14     | 17623 ||| SWAPPING to +9 broad axe "Kosum" {antimagic,
                  | rC+}.
 17624 | D:14     | 17624 ||| SWAPPING to +6 heavy broad axe.
 17625 | D:14     | 17625 ||| SWAPPING to +9 broad axe "Kosum" {antimagic,
                  | rC+}.
 17626 | D:14     | 17626 ||| SWAPPING to +6 heavy broad axe.
 17627 | D:14     | 17627 ||| SWAPPING to +9 broad axe "Kosum" {antimagic,
                  | rC+}.
 17628 | D:14     | 17628 ||| SWAPPING to +6 heavy broad axe.
 17629 | D:14     | 17629 ||| SWAPPING to +9 broad axe "Kosum" {antimagic,
                  | rC+}.
 17630 | D:14     | 17630 ||| SWAPPING to +6 heavy broad axe.
 17631 | D:14     | 17631 ||| SWAPPING to +9 broad axe "Kosum" {antimagic,
                  | rC+}.
 17632 | D:14     | 17632 ||| SWAPPING to +6 heavy broad axe.
 17633 | D:14     | 17633 ||| SWAPPING to +9 broad axe "Kosum" {antimagic,
                  | rC+}.
 17634 | D:14     | 17634 ||| SWAPPING to +6 heavy broad axe.
 17635 | D:14     | 17635 ||| SWAPPING to +9 broad axe "Kosum" {antimagic,
                  | rC+}.
 17636 | D:14     | 17636 ||| SWAPPING to +6 heavy broad axe.
 17637 | D:14     | 17637 ||| SWAPPING to +9 broad axe "Kosum" {antimagic,
                  | rC+}.
 17638 | D:14     | 17638 ||| SWAPPING to +6 heavy broad axe.
 17639 | D:14     | 17639 ||| SWAPPING to +9 broad axe "Kosum" {antimagic,
                  | rC+}.
 17640 | D:14     | 17640 ||| SWAPPING to +6 heavy broad axe.
 17641 | D:14     | 17641 ||| SWAPPING to +9 broad axe "Kosum" {antimagic,
                  | rC+}.
 17642 | D:14     | 17642 ||| SWAPPING to +6 heavy broad axe.
 17643 | D:14     | 17643 ||| SWAPPING to +9 broad axe "Kosum" {antimagic,
                  | rC+}.
 17644 | D:14     | 17644 ||| SWAPPING to +6 heavy broad axe.
 17645 | D:14     | 17645 ||| SWAPPING to +9 broad axe "Kosum" {antimagic,
                  | rC+}.
 17646 | D:14     | 17646 ||| SWAPPING to +6 heavy broad axe.
 17647 | D:14     | 17647 ||| SWAPPING to +9 broad axe "Kosum" {antimagic,
                  | rC+}.
 17648 | D:14     | 17648 ||| SWAPPING to +6 heavy broad axe.
 17649 | D:14     | 17649 ||| SWAPPING to +9 broad axe "Kosum" {antimagic,
                  | rC+}.
 17650 | D:14     | 17650 ||| SWAPPING to +6 heavy broad axe.
 17651 | D:14     | 17651 ||| SWAPPING to +9 broad axe "Kosum" {antimagic,
                  | rC+}.
 17652 | D:14     | 17652 ||| SWAPPING to +6 heavy broad axe.
 17653 | D:14     | 17653 ||| SWAPPING to +9 broad axe "Kosum" {antimagic,
                  | rC+}.
 17654 | D:14     | 17654 ||| SWAPPING to +6 heavy broad axe.
 17655 | D:14     | 17655 ||| SWAPPING to +9 broad axe "Kosum" {antimagic,
                  | rC+}.
 17656 | D:14     | 17656 ||| SWAPPING to +6 heavy broad axe.
 17657 | D:14     | 17657 ||| SWAPPING to +9 broad axe "Kosum" {antimagic,
                  | rC+}.
 17658 | D:14     | 17658 ||| SWAPPING to +6 heavy broad axe.
 17659 | D:14     | 17659 ||| SWAPPING to +9 broad axe "Kosum" {antimagic,
                  | rC+}.
 17660 | D:14     | 17660 ||| SWAPPING to +6 heavy broad axe.
 17661 | D:14     | 17661 ||| SWAPPING to +9 broad axe "Kosum" {antimagic,
                  | rC+}.
 17662 | D:14     | 17662 ||| SWAPPING to +6 heavy broad axe.
 17663 | D:14     | 17663 ||| SWAPPING to +9 broad axe "Kosum" {antimagic,
                  | rC+}.
 17664 | D:14     | 17664 ||| SWAPPING to +6 heavy broad axe.
 17665 | D:14     | 17665 ||| SWAPPING to +9 broad axe "Kosum" {antimagic,
                  | rC+}.
 17666 | D:14     | 17666 ||| SWAPPING to +6 heavy broad axe.
 17667 | D:14     | 17667 ||| SWAPPING to +9 broad axe "Kosum" {antimagic,
                  | rC+}.
 17668 | D:14     | 17668 ||| SWAPPING to +6 heavy broad axe.
 17669 | D:14     | 17669 ||| SWAPPING to +9 broad axe "Kosum" {antimagic,
                  | rC+}.
 17670 | D:14     | 17670 ||| SWAPPING to +6 heavy broad axe.
 17671 | D:14     | 17671 ||| SWAPPING to +9 broad axe "Kosum" {antimagic,
                  | rC+}.
 17672 | D:14     | 17672 ||| SWAPPING to +6 heavy broad axe.
 17673 | D:14     | 17673 ||| SWAPPING to +9 broad axe "Kosum" {antimagic,
                  | rC+}.
 17674 | D:14     | 17674 ||| SWAPPING to +6 heavy broad axe.
 17675 | D:14     | 17675 ||| SWAPPING to +9 broad axe "Kosum" {antimagic,
                  | rC+}.
 17676 | D:14     | 17676 ||| SWAPPING to +6 heavy broad axe.
 17677 | D:14     | 17677 ||| SWAPPING to +9 broad axe "Kosum" {antimagic,
                  | rC+}.
 17678 | D:14     | 17678 ||| SWAPPING to +6 heavy broad axe.
 17679 | D:14     | 17679 ||| SWAPPING to +9 broad axe "Kosum" {antimagic,
                  | rC+}.
 17680 | D:14     | 17680 ||| SWAPPING to +6 heavy broad axe.
 17681 | D:14     | 17681 ||| SWAPPING to +9 broad axe "Kosum" {antimagic,
                  | rC+}.
 17682 | D:14     | 17682 ||| SWAPPING to +6 heavy broad axe.
 17683 | D:14     | 17683 ||| SWAPPING to +9 broad axe "Kosum" {antimagic,
                  | rC+}.
 17684 | D:14     | 17684 ||| SWAPPING to +6 heavy broad axe.
 17685 | D:14     | 17685 ||| SWAPPING to +9 broad axe "Kosum" {antimagic,
                  | rC+}.
 17686 | D:14     | 17686 ||| SWAPPING to +6 heavy broad axe.
 17687 | D:14     | 17687 ||| SWAPPING to +9 broad axe "Kosum" {antimagic,
                  | rC+}.
 17688 | D:14     | 17688 ||| SWAPPING to +6 heavy broad axe.
 17689 | D:14     | 17689 ||| SWAPPING to +9 broad axe "Kosum" {antimagic,
                  | rC+}.
 17690 | D:14     | 17690 ||| SWAPPING to +6 heavy broad axe.
 17691 | D:14     | 17691 ||| SWAPPING to +9 broad axe "Kosum" {antimagic,
                  | rC+}.
 17692 | D:14     | 17692 ||| SWAPPING to +6 heavy broad axe.
 17693 | D:14     | 17693 ||| SWAPPING to +9 broad axe "Kosum" {antimagic,
                  | rC+}.
 17694 | D:14     | 17694 ||| SWAPPING to +6 heavy broad axe.
 17695 | D:14     | 17695 ||| SWAPPING to +9 broad axe "Kosum" {antimagic,
                  | rC+}.
 17696 | D:14     | 17696 ||| SWAPPING to +6 heavy broad axe.
 17697 | D:14     | 17697 ||| SWAPPING to +9 broad axe "Kosum" {antimagic,
                  | rC+}.
 17698 | D:14     | 17698 ||| SWAPPING to +6 heavy broad axe.
 17699 | D:14     | 17699 ||| SWAPPING to +9 broad axe "Kosum" {antimagic,
                  | rC+}.
 17700 | D:14     | 17700 ||| SWAPPING to +6 heavy broad axe.
 17701 | D:14     | 17701 ||| SWAPPING to +9 broad axe "Kosum" {antimagic,
                  | rC+}.
 17702 | D:14     | 17702 ||| SWAPPING to +6 heavy broad axe.
 17703 | D:14     | 17703 ||| SWAPPING to +9 broad axe "Kosum" {antimagic,
                  | rC+}.
 17704 | D:14     | 17704 ||| SWAPPING to +6 heavy broad axe.
 17705 | D:14     | 17705 ||| SWAPPING to +9 broad axe "Kosum" {antimagic,
                  | rC+}.
 17706 | D:14     | 17706 ||| SWAPPING to +6 heavy broad axe.
 17707 | D:14     | 17707 ||| SWAPPING to +9 broad axe "Kosum" {antimagic,
                  | rC+}.
 17708 | D:14     | 17708 ||| SWAPPING to +6 heavy broad axe.
 17709 | D:14     | 17709 ||| SWAPPING to +9 broad axe "Kosum" {antimagic,
                  | rC+}.
 17710 | D:14     | 17710 ||| SWAPPING to +6 heavy broad axe.
 17711 | D:14     | 17711 ||| SWAPPING to +9 broad axe "Kosum" {antimagic,
                  | rC+}.
 17712 | D:14     | 17712 ||| SWAPPING to +6 heavy broad axe.
 17713 | D:14     | 17713 ||| SWAPPING to +9 broad axe "Kosum" {antimagic,
                  | rC+}.
 17714 | D:14     | 17714 ||| SWAPPING to +6 heavy broad axe.
 17715 | D:14     | 17715 ||| SWAPPING to +9 broad axe "Kosum" {antimagic,
                  | rC+}.
 17716 | D:14     | 17716 ||| SWAPPING to +6 heavy broad axe.
 17717 | D:14     | 17717 ||| SWAPPING to +9 broad axe "Kosum" {antimagic,
                  | rC+}.
 17718 | D:14     | 17718 ||| SWAPPING to +6 heavy broad axe.
 17719 | D:14     | 17719 ||| SWAPPING to +9 broad axe "Kosum" {antimagic,
                  | rC+}.
 17720 | D:14     | 17720 ||| SWAPPING to +6 heavy broad axe.
 17721 | D:14     | 17721 ||| SWAPPING to +9 broad axe "Kosum" {antimagic,
                  | rC+}.
 17722 | D:14     | 17722 ||| SWAPPING to +6 heavy broad axe.
 17723 | D:14     | 17723 ||| SWAPPING to +9 broad axe "Kosum" {antimagic,
                  | rC+}.
 17724 | D:14     | 17724 ||| SWAPPING to +6 heavy broad axe.
 17725 | D:14     | 17725 ||| SWAPPING to +9 broad axe "Kosum" {antimagic,
                  | rC+}.
 17726 | D:14     | 17726 ||| SWAPPING to +6 heavy broad axe.
 17727 | D:14     | 17727 ||| SWAPPING to +9 broad axe "Kosum" {antimagic,
                  | rC+}.
 17728 | D:14     | 17728 ||| SWAPPING to +6 heavy broad axe.
 17729 | D:14     | 17729 ||| SWAPPING to +9 broad axe "Kosum" {antimagic,
                  | rC+}.
 17730 | D:14     | 17730 ||| SWAPPING to +6 heavy broad axe.
 17731 | D:14     | 17731 ||| SWAPPING to +9 broad axe "Kosum" {antimagic,
                  | rC+}.
 17732 | D:14     | 17732 ||| SWAPPING to +6 heavy broad axe.
 17733 | D:14     | 17733 ||| SWAPPING to +9 broad axe "Kosum" {antimagic,
                  | rC+}.
 17734 | D:14     | 17734 ||| SWAPPING to +6 heavy broad axe.
 17735 | D:14     | 17735 ||| SWAPPING to +9 broad axe "Kosum" {antimagic,
                  | rC+}.
 17736 | D:14     | 17736 ||| SWAPPING to +6 heavy broad axe.
 17737 | D:14     | 17737 ||| SWAPPING to +9 broad axe "Kosum" {antimagic,
                  | rC+}.
 17738 | D:14     | 17738 ||| SWAPPING to +6 heavy broad axe.
 17739 | D:14     | 17739 ||| SWAPPING to +9 broad axe "Kosum" {antimagic,
                  | rC+}.
 17740 | D:14     | 17740 ||| SWAPPING to +6 heavy broad axe.
 17741 | D:14     | 17741 ||| SWAPPING to +9 broad axe "Kosum" {antimagic,
                  | rC+}.
 17742 | D:14     | 17742 ||| SWAPPING to +6 heavy broad axe.
 17743 | D:14     | 17743 ||| SWAPPING to +9 broad axe "Kosum" {antimagic,
                  | rC+}.
 17744 | D:14     | 17744 ||| SWAPPING to +6 heavy broad axe.
 17745 | D:14     | 17745 ||| SWAPPING to +9 broad axe "Kosum" {antimagic,
                  | rC+}.
 17746 | D:14     | 17746 ||| SWAPPING to +6 heavy broad axe.
 17747 | D:14     | 17747 ||| SWAPPING to +9 broad axe "Kosum" {antimagic,
                  | rC+}.
 17748 | D:14     | 17748 ||| SWAPPING to +6 heavy broad axe.
 17749 | D:14     | 17749 ||| SWAPPING to +9 broad axe "Kosum" {antimagic,
                  | rC+}.
 17750 | D:14     | 17750 ||| SWAPPING to +6 heavy broad axe.
 17751 | D:14     | 17751 ||| SWAPPING to +9 broad axe "Kosum" {antimagic,
                  | rC+}.
 17752 | D:14     | 17752 ||| SWAPPING to +6 heavy broad axe.
 17753 | D:14     | 17753 ||| SWAPPING to +9 broad axe "Kosum" {antimagic,
                  | rC+}.
 17754 | D:14     | 17754 ||| SWAPPING to +6 heavy broad axe.
 17755 | D:14     | 17755 ||| SWAPPING to +9 broad axe "Kosum" {antimagic,
                  | rC+}.
 17756 | D:14     | 17756 ||| SWAPPING to +6 heavy broad axe.
 17757 | D:14     | 17757 ||| SWAPPING to +9 broad axe "Kosum" {antimagic,
                  | rC+}.
 17758 | D:14     | 17758 ||| SWAPPING to +6 heavy broad axe.
 17759 | D:14     | 17759 ||| SWAPPING to +9 broad axe "Kosum" {antimagic,
                  | rC+}.
 17760 | D:14     | 17760 ||| SWAPPING to +6 heavy broad axe.
 17761 | D:14     | 17761 ||| SWAPPING to +9 broad axe "Kosum" {antimagic,
                  | rC+}.
 17762 | D:14     | 17762 ||| SWAPPING to +6 heavy broad axe.
 17763 | D:14     | 17763 ||| SWAPPING to +9 broad axe "Kosum" {antimagic,
                  | rC+}.
 17764 | D:14     | 17764 ||| SWAPPING to +6 heavy broad axe.
 17765 | D:14     | 17765 ||| SWAPPING to +9 broad axe "Kosum" {antimagic,
                  | rC+}.
 17766 | D:14     | 17766 ||| SWAPPING to +6 heavy broad axe.
 17767 | D:14     | 17767 ||| SWAPPING to +9 broad axe "Kosum" {antimagic,
                  | rC+}.
 17768 | D:14     | 17768 ||| SWAPPING to +6 heavy broad axe.
 17769 | D:14     | 17769 ||| SWAPPING to +9 broad axe "Kosum" {antimagic,
                  | rC+}.
 17770 | D:14     | 17770 ||| SWAPPING to +6 heavy broad axe.
 17771 | D:14     | 17771 ||| SWAPPING to +9 broad axe "Kosum" {antimagic,
                  | rC+}.
 17772 | D:14     | 17772 ||| SWAPPING to +6 heavy broad axe.
 17773 | D:14     | 17773 ||| SWAPPING to +9 broad axe "Kosum" {antimagic,
                  | rC+}.
 17774 | D:14     | 17774 ||| SWAPPING to +6 heavy broad axe.
 17775 | D:14     | 17775 ||| SWAPPING to +9 broad axe "Kosum" {antimagic,
                  | rC+}.
 17776 | D:14     | 17776 ||| SWAPPING to +6 heavy broad axe.
 17777 | D:14     | 17777 ||| SWAPPING to +9 broad axe "Kosum" {antimagic,
                  | rC+}.
 17778 | D:14     | 17778 ||| SWAPPING to +6 heavy broad axe.
 17779 | D:14     | 17779 ||| SWAPPING to +9 broad axe "Kosum" {antimagic,
                  | rC+}.
 17780 | D:14     | 17780 ||| SWAPPING to +6 heavy broad axe.
 17781 | D:14     | 17781 ||| SWAPPING to +9 broad axe "Kosum" {antimagic,
                  | rC+}.
 17782 | D:14     | 17782 ||| SWAPPING to +6 heavy broad axe.
 17783 | D:14     | 17783 ||| SWAPPING to +9 broad axe "Kosum" {antimagic,
                  | rC+}.
 17784 | D:14     | 17784 ||| SWAPPING to +6 heavy broad axe.
 17785 | D:14     | 17785 ||| SWAPPING to +9 broad axe "Kosum" {antimagic,
                  | rC+}.
 17786 | D:14     | 17786 ||| SWAPPING to +6 heavy broad axe.
 17787 | D:14     | 17787 ||| SWAPPING to +9 broad axe "Kosum" {antimagic,
                  | rC+}.
 17788 | D:14     | 17788 ||| SWAPPING to +6 heavy broad axe.
 17789 | D:14     | 17789 ||| SWAPPING to +9 broad axe "Kosum" {antimagic,
                  | rC+}.
 17790 | D:14     | 17790 ||| SWAPPING to +6 heavy broad axe.
 17791 | D:14     | 17791 ||| SWAPPING to +9 broad axe "Kosum" {antimagic,
                  | rC+}.
 17792 | D:14     | 17792 ||| SWAPPING to +6 heavy broad axe.
 17793 | D:14     | 17793 ||| SWAPPING to +9 broad axe "Kosum" {antimagic,
                  | rC+}.
 17794 | D:14     | 17794 ||| SWAPPING to +6 heavy broad axe.
 17795 | D:14     | 17795 ||| SWAPPING to +9 broad axe "Kosum" {antimagic,
                  | rC+}.
 17796 | D:14     | 17796 ||| SWAPPING to +6 heavy broad axe.
 17797 | D:14     | 17797 ||| SWAPPING to +9 broad axe "Kosum" {antimagic,
                  | rC+}.
 17798 | D:14     | 17798 ||| SWAPPING to +6 heavy broad axe.
 17799 | D:14     | 17799 ||| SWAPPING to +9 broad axe "Kosum" {antimagic,
                  | rC+}.
 17800 | D:14     | 17800 ||| SWAPPING to +6 heavy broad axe.
 17801 | D:14     | 17801 ||| SWAPPING to +9 broad axe "Kosum" {antimagic,
                  | rC+}.
 17802 | D:14     | 17802 ||| SWAPPING to +6 heavy broad axe.
 17803 | D:14     | 17803 ||| SWAPPING to +9 broad axe "Kosum" {antimagic,
                  | rC+}.
 17804 | D:14     | 17804 ||| SWAPPING to +6 heavy broad axe.
 17805 | D:14     | 17805 ||| SWAPPING to +9 broad axe "Kosum" {antimagic,
                  | rC+}.
 17806 | D:14     | 17806 ||| SWAPPING to +6 heavy broad axe.
 17807 | D:14     | 17807 ||| SWAPPING to +9 broad axe "Kosum" {antimagic,
                  | rC+}.
 17808 | D:14     | 17808 ||| SWAPPING to +6 heavy broad axe.
 17809 | D:14     | 17809 ||| SWAPPING to +9 broad axe "Kosum" {antimagic,
                  | rC+}.
 17810 | D:14     | 17810 ||| SWAPPING to +6 heavy broad axe.
 17811 | D:14     | 17811 ||| SWAPPING to +9 broad axe "Kosum" {antimagic,
                  | rC+}.
 17812 | D:14     | 17812 ||| SWAPPING to +6 heavy broad axe.
 17813 | D:14     | 17813 ||| SWAPPING to +9 broad axe "Kosum" {antimagic,
                  | rC+}.
 17814 | D:14     | 17814 ||| SWAPPING to +6 heavy broad axe.
 17815 | D:14     | 17815 ||| SWAPPING to +9 broad axe "Kosum" {antimagic,
                  | rC+}.
 17816 | D:14     | 17816 ||| SWAPPING to +6 heavy broad axe.
 17817 | D:14     | 17817 ||| SWAPPING to +9 broad axe "Kosum" {antimagic,
                  | rC+}.
 17818 | D:14     | 17818 ||| SWAPPING to +6 heavy broad axe.
 17819 | D:14     | 17819 ||| SWAPPING to +9 broad axe "Kosum" {antimagic,
                  | rC+}.
 17820 | D:14     | 17820 ||| SWAPPING to +6 heavy broad axe.
 17821 | D:14     | 17821 ||| SWAPPING to +9 broad axe "Kosum" {antimagic,
                  | rC+}.
 17822 | D:14     | 17822 ||| SWAPPING to +6 heavy broad axe.
 17823 | D:14     | 17823 ||| SWAPPING to +9 broad axe "Kosum" {antimagic,
                  | rC+}.
 17824 | D:14     | 17824 ||| SWAPPING to +6 heavy broad axe.
 17825 | D:14     | 17825 ||| SWAPPING to +9 broad axe "Kosum" {antimagic,
                  | rC+}.
 17826 | D:14     | 17826 ||| SWAPPING to +6 heavy broad axe.
 17827 | D:14     | 17827 ||| SWAPPING to +9 broad axe "Kosum" {antimagic,
                  | rC+}.
 17828 | D:14     | 17828 ||| SWAPPING to +6 heavy broad axe.
 17829 | D:14     | 17829 ||| SWAPPING to +9 broad axe "Kosum" {antimagic,
                  | rC+}.
 17830 | D:14     | 17830 ||| SWAPPING to +6 heavy broad axe.
 17831 | D:14     | 17831 ||| SWAPPING to +9 broad axe "Kosum" {antimagic,
                  | rC+}.
 17832 | D:14     | 17832 ||| SWAPPING to +6 heavy broad axe.
 17833 | D:14     | 17833 ||| SWAPPING to +9 broad axe "Kosum" {antimagic,
                  | rC+}.
 17834 | D:14     | 17834 ||| SWAPPING to +6 heavy broad axe.
 17835 | D:14     | 17835 ||| SWAPPING to +9 broad axe "Kosum" {antimagic,
                  | rC+}.
 17836 | D:14     | 17836 ||| SWAPPING to +6 heavy broad axe.
 17837 | D:14     | 17837 ||| SWAPPING to +9 broad axe "Kosum" {antimagic,
                  | rC+}.
 17838 | D:14     | 17838 ||| SWAPPING to +6 heavy broad axe.
 17839 | D:14     | 17839 ||| SWAPPING to +9 broad axe "Kosum" {antimagic,
                  | rC+}.
 17840 | D:14     | 17840 ||| SWAPPING to +6 heavy broad axe.
 17841 | D:14     | 17841 ||| SWAPPING to +9 broad axe "Kosum" {antimagic,
                  | rC+}.
 17842 | D:14     | 17842 ||| SWAPPING to +6 heavy broad axe.
 17843 | D:14     | 17843 ||| SWAPPING to +9 broad axe "Kosum" {antimagic,
                  | rC+}.
 17844 | D:14     | 17844 ||| SWAPPING to +6 heavy broad axe.
 17845 | D:14     | 17845 ||| SWAPPING to +9 broad axe "Kosum" {antimagic,
                  | rC+}.
 17846 | D:14     | 17846 ||| SWAPPING to +6 heavy broad axe.
 17847 | D:14     | 17847 ||| SWAPPING to +9 broad axe "Kosum" {antimagic,
                  | rC+}.
 17848 | D:14     | 17848 ||| SWAPPING to +6 heavy broad axe.
 17849 | D:14     | 17849 ||| SWAPPING to +9 broad axe "Kosum" {antimagic,
                  | rC+}.
 17850 | D:14     | 17850 ||| SWAPPING to +6 heavy broad axe.
 17851 | D:14     | 17851 ||| SWAPPING to +9 broad axe "Kosum" {antimagic,
                  | rC+}.
 17852 | D:14     | 17852 ||| SWAPPING to +6 heavy broad axe.
 17853 | D:14     | 17853 ||| SWAPPING to +9 broad axe "Kosum" {antimagic,
                  | rC+}.
 17854 | D:14     | 17854 ||| SWAPPING to +6 heavy broad axe.
 17855 | D:14     | 17855 ||| SWAPPING to +9 broad axe "Kosum" {antimagic,
                  | rC+}.
 17856 | D:14     | 17856 ||| SWAPPING to +6 heavy broad axe.
 17857 | D:14     | 17857 ||| SWAPPING to +9 broad axe "Kosum" {antimagic,
                  | rC+}.
 17858 | D:14     | 17858 ||| SWAPPING to +6 heavy broad axe.
 17859 | D:14     | 17859 ||| SWAPPING to +9 broad axe "Kosum" {antimagic,
                  | rC+}.
 17860 | D:14     | 17860 ||| SWAPPING to +6 heavy broad axe.
 17861 | D:14     | 17861 ||| SWAPPING to +9 broad axe "Kosum" {antimagic,
                  | rC+}.
 17862 | D:14     | 17862 ||| SWAPPING to +6 heavy broad axe.
 17863 | D:14     | 17863 ||| SWAPPING to +9 broad axe "Kosum" {antimagic,
                  | rC+}.
 17864 | D:14     | 17864 ||| SWAPPING to +6 heavy broad axe.
 17865 | D:14     | 17865 ||| SWAPPING to +9 broad axe "Kosum" {antimagic,
                  | rC+}.
 17866 | D:14     | 17866 ||| SWAPPING to +6 heavy broad axe.
 17867 | D:14     | 17867 ||| SWAPPING to +9 broad axe "Kosum" {antimagic,
                  | rC+}.
 17868 | D:14     | 17868 ||| SWAPPING to +6 heavy broad axe.
 17869 | D:14     | 17869 ||| SWAPPING to +9 broad axe "Kosum" {antimagic,
                  | rC+}.
 17870 | D:14     | 17870 ||| SWAPPING to +6 heavy broad axe.
 17871 | D:14     | 17871 ||| SWAPPING to +9 broad axe "Kosum" {antimagic,
                  | rC+}.
 17872 | D:14     | 17872 ||| SWAPPING to +6 heavy broad axe.
 17873 | D:14     | 17873 ||| SWAPPING to +9 broad axe "Kosum" {antimagic,
                  | rC+}.
 17874 | D:14     | 17874 ||| SWAPPING to +6 heavy broad axe.
 17875 | D:14     | 17875 ||| SWAPPING to +9 broad axe "Kosum" {antimagic,
                  | rC+}.
 17876 | D:14     | 17876 ||| SWAPPING to +6 heavy broad axe.
 17877 | D:14     | 17877 ||| SWAPPING to +9 broad axe "Kosum" {antimagic,
                  | rC+}.
 17878 | D:14     | 17878 ||| SWAPPING to +6 heavy broad axe.
 17879 | D:14     | 17879 ||| SWAPPING to +9 broad axe "Kosum" {antimagic,
                  | rC+}.
 17880 | D:14     | 17880 ||| SWAPPING to +6 heavy broad axe.
 17881 | D:14     | 17881 ||| SWAPPING to +9 broad axe "Kosum" {antimagic,
                  | rC+}.
 17882 | D:14     | 17882 ||| SWAPPING to +6 heavy broad axe.
 17883 | D:14     | 17883 ||| SWAPPING to +9 broad axe "Kosum" {antimagic,
                  | rC+}.
 17884 | D:14     | 17884 ||| SWAPPING to +6 heavy broad axe.
 17885 | D:14     | 17885 ||| SWAPPING to +9 broad axe "Kosum" {antimagic,
                  | rC+}.
 17886 | D:14     | 17886 ||| SWAPPING to +6 heavy broad axe.
 17887 | D:14     | 17887 ||| SWAPPING to +9 broad axe "Kosum" {antimagic,
                  | rC+}.
 17888 | D:14     | 17888 ||| SWAPPING to +6 heavy broad axe.
 17889 | D:14     | 17889 ||| SWAPPING to +9 broad axe "Kosum" {antimagic,
                  | rC+}.
 17890 | D:14     | 17890 ||| SWAPPING to +6 heavy broad axe.
 17891 | D:14     | 17891 ||| SWAPPING to +9 broad axe "Kosum" {antimagic,
                  | rC+}.
 17892 | D:14     | 17892 ||| SWAPPING to +6 heavy broad axe.
 17893 | D:14     | 17893 ||| SWAPPING to +9 broad axe "Kosum" {antimagic,
                  | rC+}.
 17894 | D:14     | 17894 ||| SWAPPING to +6 heavy broad axe.
 17895 | D:14     | 17895 ||| SWAPPING to +9 broad axe "Kosum" {antimagic,
                  | rC+}.
 17896 | D:14     | 17896 ||| SWAPPING to +6 heavy broad axe.
 17897 | D:14     | 17897 ||| SWAPPING to +9 broad axe "Kosum" {antimagic,
                  | rC+}.
 17898 | D:14     | 17898 ||| SWAPPING to +6 heavy broad axe.
 17899 | D:14     | 17899 ||| SWAPPING to +9 broad axe "Kosum" {antimagic,
                  | rC+}.
 17900 | D:14     | 17900 ||| SWAPPING to +6 heavy broad axe.
 17901 | D:14     | 17901 ||| SWAPPING to +9 broad axe "Kosum" {antimagic,
                  | rC+}.
 17902 | D:14     | 17902 ||| SWAPPING to +6 heavy broad axe.
 17903 | D:14     | 17903 ||| SWAPPING to +9 broad axe "Kosum" {antimagic,
                  | rC+}.
 17904 | D:14     | 17904 ||| SWAPPING to +6 heavy broad axe.
 17905 | D:14     | 17905 ||| SWAPPING to +9 broad axe "Kosum" {antimagic,
                  | rC+}.
 17906 | D:14     | 17906 ||| SWAPPING to +6 heavy broad axe.
 17907 | D:14     | 17907 ||| SWAPPING to +9 broad axe "Kosum" {antimagic,
                  | rC+}.
 17908 | D:14     | 17908 ||| SWAPPING to +6 heavy broad axe.
 17909 | D:14     | 17909 ||| SWAPPING to +9 broad axe "Kosum" {antimagic,
                  | rC+}.
 17910 | D:14     | 17910 ||| SWAPPING to +6 heavy broad axe.
 17911 | D:14     | 17911 ||| SWAPPING to +9 broad axe "Kosum" {antimagic,
                  | rC+}.
 17912 | D:14     | 17912 ||| SWAPPING to +6 heavy broad axe.
 17913 | D:14     | 17913 ||| SWAPPING to +9 broad axe "Kosum" {antimagic,
                  | rC+}.
 17914 | D:14     | 17914 ||| SWAPPING to +6 heavy broad axe.
 17915 | D:14     | 17915 ||| SWAPPING to +9 broad axe "Kosum" {antimagic,
                  | rC+}.
 17916 | D:14     | 17916 ||| SWAPPING to +6 heavy broad axe.
 17917 | D:14     | 17917 ||| SWAPPING to +9 broad axe "Kosum" {antimagic,
                  | rC+}.
 17918 | D:14     | 17918 ||| SWAPPING to +6 heavy broad axe.
 17919 | D:14     | 17919 ||| SWAPPING to +9 broad axe "Kosum" {antimagic,
                  | rC+}.
 17920 | D:14     | 17920 ||| SWAPPING to +6 heavy broad axe.
 17921 | D:14     | 17921 ||| SWAPPING to +9 broad axe "Kosum" {antimagic,
                  | rC+}.
 17922 | D:14     | 17922 ||| SWAPPING to +6 heavy broad axe.
 17923 | D:14     | 17923 ||| SWAPPING to +9 broad axe "Kosum" {antimagic,
                  | rC+}.
 17924 | D:14     | 17924 ||| SWAPPING to +6 heavy broad axe.
 17925 | D:14     | 17925 ||| SWAPPING to +9 broad axe "Kosum" {antimagic,
                  | rC+}.
 17926 | D:14     | 17926 ||| SWAPPING to +6 heavy broad axe.
 17927 | D:14     | 17927 ||| SWAPPING to +9 broad axe "Kosum" {antimagic,
                  | rC+}.
 17928 | D:14     | 17928 ||| SWAPPING to +6 heavy broad axe.
 17929 | D:14     | 17929 ||| SWAPPING to +9 broad axe "Kosum" {antimagic,
                  | rC+}.
 17930 | D:14     | 17930 ||| SWAPPING to +6 heavy broad axe.
 17931 | D:14     | 17931 ||| SWAPPING to +9 broad axe "Kosum" {antimagic,
                  | rC+}.
 17932 | D:14     | 17932 ||| SWAPPING to +6 heavy broad axe.
 17933 | D:14     | 17933 ||| SWAPPING to +9 broad axe "Kosum" {antimagic,
                  | rC+}.
 17934 | D:14     | 17934 ||| SWAPPING to +6 heavy broad axe.
 17935 | D:14     | 17935 ||| SWAPPING to +9 broad axe "Kosum" {antimagic,
                  | rC+}.
 17936 | D:14     | 17936 ||| SWAPPING to +6 heavy broad axe.
 17937 | D:14     | 17937 ||| SWAPPING to +9 broad axe "Kosum" {antimagic,
                  | rC+}.
 17938 | D:14     | 17938 ||| SWAPPING to +6 heavy broad axe.
 17939 | D:14     | 17939 ||| SWAPPING to +9 broad axe "Kosum" {antimagic,
                  | rC+}.
 17940 | D:14     | 17940 ||| SWAPPING to +6 heavy broad axe.
 17941 | D:14     | 17941 ||| SWAPPING to +9 broad axe "Kosum" {antimagic,
                  | rC+}.
 17942 | D:14     | 17942 ||| SWAPPING to +6 heavy broad axe.
 17943 | D:14     | 17943 ||| SWAPPING to +9 broad axe "Kosum" {antimagic,
                  | rC+}.
 17944 | D:14     | 17944 ||| SWAPPING to +6 heavy broad axe.
 17945 | D:14     | 17945 ||| SWAPPING to +9 broad axe "Kosum" {antimagic,
                  | rC+}.
 17946 | D:14     | 17946 ||| SWAPPING to +6 heavy broad axe.
 17947 | D:14     | 17947 ||| SWAPPING to +9 broad axe "Kosum" {antimagic,
                  | rC+}.
 17948 | D:14     | 17948 ||| SWAPPING to +6 heavy broad axe.
 17949 | D:14     | 17949 ||| SWAPPING to +9 broad axe "Kosum" {antimagic,
                  | rC+}.
 17950 | D:14     | 17950 ||| SWAPPING to +6 heavy broad axe.
 17951 | D:14     | 17951 ||| SWAPPING to +9 broad axe "Kosum" {antimagic,
                  | rC+}.
 17952 | D:14     | 17952 ||| SWAPPING to +6 heavy broad axe.
 17953 | D:14     | 17953 ||| SWAPPING to +9 broad axe "Kosum" {antimagic,
                  | rC+}.
 17954 | D:14     | 17954 ||| SWAPPING to +6 heavy broad axe.
 17955 | D:14     | 17955 ||| SWAPPING to +9 broad axe "Kosum" {antimagic,
                  | rC+}.
 17956 | D:14     | 17956 ||| SWAPPING to +6 heavy broad axe.
 17957 | D:14     | 17957 ||| SWAPPING to +9 broad axe "Kosum" {antimagic,
                  | rC+}.
 17958 | D:14     | 17958 ||| SWAPPING to +6 heavy broad axe.
 17959 | D:14     | 17959 ||| SWAPPING to +9 broad axe "Kosum" {antimagic,
                  | rC+}.
 17960 | D:14     | 17960 ||| SWAPPING to +6 heavy broad axe.
 17961 | D:14     | 17961 ||| SWAPPING to +9 broad axe "Kosum" {antimagic,
                  | rC+}.
 17962 | D:14     | 17962 ||| SWAPPING to +6 heavy broad axe.
 17963 | D:14     | 17963 ||| SWAPPING to +9 broad axe "Kosum" {antimagic,
                  | rC+}.
 17964 | D:14     | 17964 ||| SWAPPING to +6 heavy broad axe.
 17965 | D:14     | 17965 ||| SWAPPING to +9 broad axe "Kosum" {antimagic,
                  | rC+}.
 17966 | D:14     | 17966 ||| SWAPPING to +6 heavy broad axe.
 17967 | D:14     | 17967 ||| SWAPPING to +9 broad axe "Kosum" {antimagic,
                  | rC+}.
 17968 | D:14     | 17968 ||| SWAPPING to +6 heavy broad axe.
 17969 | D:14     | 17969 ||| SWAPPING to +9 broad axe "Kosum" {antimagic,
                  | rC+}.
 17970 | D:14     | 17970 ||| SWAPPING to +6 heavy broad axe.
 17971 | D:14     | 17971 ||| SWAPPING to +9 broad axe "Kosum" {antimagic,
                  | rC+}.
 17972 | D:14     | 17972 ||| SWAPPING to +6 heavy broad axe.
 17973 | D:14     | 17973 ||| SWAPPING to +9 broad axe "Kosum" {antimagic,
                  | rC+}.
 17974 | D:14     | 17974 ||| SWAPPING to +6 heavy broad axe.
 17975 | D:14     | 17975 ||| SWAPPING to +9 broad axe "Kosum" {antimagic,
                  | rC+}.
 17976 | D:14     | 17976 ||| SWAPPING to +6 heavy broad axe.
 17977 | D:14     | 17977 ||| SWAPPING to +9 broad axe "Kosum" {antimagic,
                  | rC+}.
 17978 | D:14     | 17978 ||| SWAPPING to +6 heavy broad axe.
 17979 | D:14     | 17979 ||| SWAPPING to +9 broad axe "Kosum" {antimagic,
                  | rC+}.
 17980 | D:14     | 17980 ||| SWAPPING to +6 heavy broad axe.
 17981 | D:14     | 17981 ||| SWAPPING to +9 broad axe "Kosum" {antimagic,
                  | rC+}.
 17982 | D:14     | 17982 ||| SWAPPING to +6 heavy broad axe.
 17983 | D:14     | 17983 ||| SWAPPING to +9 broad axe "Kosum" {antimagic,
                  | rC+}.
 17984 | D:14     | 17984 ||| SWAPPING to +6 heavy broad axe.
 17985 | D:14     | 17985 ||| SWAPPING to +9 broad axe "Kosum" {antimagic,
                  | rC+}.
 17986 | D:14     | 17986 ||| SWAPPING to +6 heavy broad axe.
 17987 | D:14     | 17987 ||| SWAPPING to +9 broad axe "Kosum" {antimagic,
                  | rC+}.
 17988 | D:14     | 17988 ||| SWAPPING to +6 heavy broad axe.
 17989 | D:14     | 17989 ||| SWAPPING to +9 broad axe "Kosum" {antimagic,
                  | rC+}.
 17990 | D:14     | 17990 ||| SWAPPING to +6 heavy broad axe.
 17991 | D:14     | 17991 ||| SWAPPING to +9 broad axe "Kosum" {antimagic,
                  | rC+}.
 17992 | D:14     | 17992 ||| SWAPPING to +6 heavy broad axe.
 17993 | D:14     | 17993 ||| SWAPPING to +9 broad axe "Kosum" {antimagic,
                  | rC+}.
 17994 | D:14     | 17994 ||| SWAPPING to +6 heavy broad axe.
 17995 | D:14     | 17995 ||| SWAPPING to +9 broad axe "Kosum" {antimagic,
                  | rC+}.
 17996 | D:14     | 17996 ||| SWAPPING to +6 heavy broad axe.
 17997 | D:14     | 17997 ||| SWAPPING to +9 broad axe "Kosum" {antimagic,
                  | rC+}.
 17998 | D:14     | 17998 ||| SWAPPING to +6 heavy broad axe.
 17999 | D:14     | 17999 ||| SWAPPING to +9 broad axe "Kosum" {antimagic,
                  | rC+}.
 18000 | D:14     | 18000 ||| SWAPPING to +6 heavy broad axe.
 18001 | D:14     | 18001 ||| SWAPPING to +9 broad axe "Kosum" {antimagic,
                  | rC+}.
 18002 | D:14     | 18002 ||| SWAPPING to +6 heavy broad axe.
 18003 | D:14     | 18003 ||| SWAPPING to +9 broad axe "Kosum" {antimagic,
                  | rC+}.
 18004 | D:14     | 18004 ||| SWAPPING to +6 heavy broad axe.
 18005 | D:14     | 18005 ||| SWAPPING to +9 broad axe "Kosum" {antimagic,
                  | rC+}.
 18006 | D:14     | 18006 ||| SWAPPING to +6 heavy broad axe.
 18007 | D:14     | 18007 ||| SWAPPING to +9 broad axe "Kosum" {antimagic,
                  | rC+}.
 18008 | D:14     | 18008 ||| SWAPPING to +6 heavy broad axe.
 18009 | D:14     | 18009 ||| SWAPPING to +9 broad axe "Kosum" {antimagic,
                  | rC+}.
 18010 | D:14     | 18010 ||| SWAPPING to +6 heavy broad axe.
 18011 | D:14     | 18011 ||| SWAPPING to +9 broad axe "Kosum" {antimagic,
                  | rC+}.
 18012 | D:14     | 18012 ||| SWAPPING to +6 heavy broad axe.
 18013 | D:14     | 18013 ||| SWAPPING to +9 broad axe "Kosum" {antimagic,
                  | rC+}.
 18014 | D:14     | 18014 ||| SWAPPING to +6 heavy broad axe.
 18015 | D:14     | 18015 ||| SWAPPING to +9 broad axe "Kosum" {antimagic,
                  | rC+}.
 18016 | D:14     | 18016 ||| SWAPPING to +6 heavy broad axe.
 18017 | D:14     | 18017 ||| SWAPPING to +9 broad axe "Kosum" {antimagic,
                  | rC+}.
 18018 | D:14     | 18018 ||| SWAPPING to +6 heavy broad axe.
 18019 | D:14     | 18019 ||| SWAPPING to +9 broad axe "Kosum" {antimagic,
                  | rC+}.
 18020 | D:14     | 18020 ||| SWAPPING to +6 heavy broad axe.
 18021 | D:14     | 18021 ||| SWAPPING to +9 broad axe "Kosum" {antimagic,
                  | rC+}.
 18022 | D:14     | 18022 ||| SWAPPING to +6 heavy broad axe.
 18023 | D:14     | 18023 ||| SWAPPING to +9 broad axe "Kosum" {antimagic,
                  | rC+}.
 18024 | D:14     | 18024 ||| SWAPPING to +6 heavy broad axe.
 18025 | D:14     | 18025 ||| SWAPPING to +9 broad axe "Kosum" {antimagic,
                  | rC+}.
 18026 | D:14     | 18026 ||| SWAPPING to +6 heavy broad axe.
 18027 | D:14     | 18027 ||| SWAPPING to +9 broad axe "Kosum" {antimagic,
                  | rC+}.
 18028 | D:14     | 18028 ||| SWAPPING to +6 heavy broad axe.
 18029 | D:14     | 18029 ||| SWAPPING to +9 broad axe "Kosum" {antimagic,
                  | rC+}.
 18030 | D:14     | 18030 ||| SWAPPING to +6 heavy broad axe.
 18031 | D:14     | 18031 ||| SWAPPING to +9 broad axe "Kosum" {antimagic,
                  | rC+}.
 18032 | D:14     | 18032 ||| SWAPPING to +6 heavy broad axe.
 18033 | D:14     | 18033 ||| SWAPPING to +9 broad axe "Kosum" {antimagic,
                  | rC+}.
 18034 | D:14     | 18034 ||| SWAPPING to +6 heavy broad axe.
 18035 | D:14     | 18035 ||| SWAPPING to +9 broad axe "Kosum" {antimagic,
                  | rC+}.
 18036 | D:14     | 18036 ||| SWAPPING to +6 heavy broad axe.
 18037 | D:14     | 18037 ||| SWAPPING to +9 broad axe "Kosum" {antimagic,
                  | rC+}.
 18038 | D:14     | 18038 ||| SWAPPING to +6 heavy broad axe.
 18039 | D:14     | 18039 ||| SWAPPING to +9 broad axe "Kosum" {antimagic,
                  | rC+}.
 18040 | D:14     | 18040 ||| SWAPPING to +6 heavy broad axe.
 18041 | D:14     | 18041 ||| SWAPPING to +9 broad axe "Kosum" {antimagic,
                  | rC+}.
 18042 | D:14     | 18042 ||| SWAPPING to +6 heavy broad axe.
 18043 | D:14     | 18043 ||| SWAPPING to +9 broad axe "Kosum" {antimagic,
                  | rC+}.
 18044 | D:14     | 18044 ||| SWAPPING to +6 heavy broad axe.
 18045 | D:14     | 18045 ||| SWAPPING to +9 broad axe "Kosum" {antimagic,
                  | rC+}.
 18046 | D:14     | 18046 ||| SWAPPING to +6 heavy broad axe.
 18047 | D:14     | 18047 ||| SWAPPING to +9 broad axe "Kosum" {antimagic,
                  | rC+}.
 18048 | D:14     | 18048 ||| SWAPPING to +6 heavy broad axe.
 18049 | D:14     | 18049 ||| SWAPPING to +9 broad axe "Kosum" {antimagic,
                  | rC+}.
 18050 | D:14     | 18050 ||| SWAPPING to +6 heavy broad axe.
 18051 | D:14     | 18051 ||| SWAPPING to +9 broad axe "Kosum" {antimagic,
                  | rC+}.
 18052 | D:14     | 18052 ||| SWAPPING to +6 heavy broad axe.
 18053 | D:14     | 18053 ||| SWAPPING to +9 broad axe "Kosum" {antimagic,
                  | rC+}.
 18054 | D:14     | 18054 ||| SWAPPING to +6 heavy broad axe.
 18055 | D:14     | 18055 ||| SWAPPING to +9 broad axe "Kosum" {antimagic,
                  | rC+}.
 18056 | D:14     | 18056 ||| SWAPPING to +6 heavy broad axe.
 18057 | D:14     | 18057 ||| SWAPPING to +9 broad axe "Kosum" {antimagic,
                  | rC+}.
 18058 | D:14     | 18058 ||| SWAPPING to +6 heavy broad axe.
 18059 | D:14     | 18059 ||| SWAPPING to +9 broad axe "Kosum" {antimagic,
                  | rC+}.
 18060 | D:14     | 18060 ||| SWAPPING to +6 heavy broad axe.
 18061 | D:14     | 18061 ||| SWAPPING to +9 broad axe "Kosum" {antimagic,
                  | rC+}.
 18062 | D:14     | 18062 ||| SWAPPING to +6 heavy broad axe.
 18063 | D:14     | 18063 ||| SWAPPING to +9 broad axe "Kosum" {antimagic,
                  | rC+}.
 18064 | D:14     | 18064 ||| SWAPPING to +6 heavy broad axe.
 18065 | D:14     | 18065 ||| SWAPPING to +9 broad axe "Kosum" {antimagic,
                  | rC+}.
 18066 | D:14     | 18066 ||| SWAPPING to +6 heavy broad axe.
 18067 | D:14     | 18067 ||| SWAPPING to +9 broad axe "Kosum" {antimagic,
                  | rC+}.
 18068 | D:14     | 18068 ||| SWAPPING to +6 heavy broad axe.
 18069 | D:14     | 18069 ||| SWAPPING to +9 broad axe "Kosum" {antimagic,
                  | rC+}.
 18070 | D:14     | 18070 ||| SWAPPING to +6 heavy broad axe.
 18071 | D:14     | 18071 ||| SWAPPING to +9 broad axe "Kosum" {antimagic,
                  | rC+}.
 18072 | D:14     | 18072 ||| SWAPPING to +6 heavy broad axe.
 18073 | D:14     | 18073 ||| SWAPPING to +9 broad axe "Kosum" {antimagic,
                  | rC+}.
 18074 | D:14     | 18074 ||| SWAPPING to +6 heavy broad axe.
 18075 | D:14     | 18075 ||| SWAPPING to +9 broad axe "Kosum" {antimagic,
                  | rC+}.
 18076 | D:14     | 18076 ||| SWAPPING to +6 heavy broad axe.
 18077 | D:14     | 18077 ||| SWAPPING to +9 broad axe "Kosum" {antimagic,
                  | rC+}.
 18078 | D:14     | 18078 ||| SWAPPING to +6 heavy broad axe.
 18079 | D:14     | 18079 ||| SWAPPING to +9 broad axe "Kosum" {antimagic,
                  | rC+}.
 18080 | D:14     | 18080 ||| SWAPPING to +6 heavy broad axe.
 18081 | D:14     | 18081 ||| SWAPPING to +9 broad axe "Kosum" {antimagic,
                  | rC+}.
 18082 | D:14     | 18082 ||| SWAPPING to +6 heavy broad axe.
 18083 | D:14     | 18083 ||| SWAPPING to +9 broad axe "Kosum" {antimagic,
                  | rC+}.
 18084 | D:14     | 18084 ||| SWAPPING to +6 heavy broad axe.
 18085 | D:14     | 18085 ||| SWAPPING to +9 broad axe "Kosum" {antimagic,
                  | rC+}.
 18086 | D:14     | 18086 ||| SWAPPING to +6 heavy broad axe.
 18087 | D:14     | 18087 ||| SWAPPING to +9 broad axe "Kosum" {antimagic,
                  | rC+}.
 18088 | D:14     | 18088 ||| SWAPPING to +6 heavy broad axe.
 18089 | D:14     | 18089 ||| SWAPPING to +9 broad axe "Kosum" {antimagic,
                  | rC+}.
 18090 | D:14     | 18090 ||| SWAPPING to +6 heavy broad axe.
 18091 | D:14     | 18091 ||| SWAPPING to +9 broad axe "Kosum" {antimagic,
                  | rC+}.
 18092 | D:14     | 18092 ||| SWAPPING to +6 heavy broad axe.
 18093 | D:14     | 18093 ||| SWAPPING to +9 broad axe "Kosum" {antimagic,
                  | rC+}.
 18094 | D:14     | 18094 ||| SWAPPING to +6 heavy broad axe.
 18095 | D:14     | 18095 ||| SWAPPING to +9 broad axe "Kosum" {antimagic,
                  | rC+}.
 18096 | D:14     | 18096 ||| SWAPPING to +6 heavy broad axe.
 18097 | D:14     | 18097 ||| SWAPPING to +9 broad axe "Kosum" {antimagic,
                  | rC+}.
 18098 | D:14     | 18098 ||| SWAPPING to +6 heavy broad axe.
 18099 | D:14     | 18099 ||| SWAPPING to +9 broad axe "Kosum" {antimagic,
                  | rC+}.
 18100 | D:14     | 18100 ||| SWAPPING to +6 heavy broad axe.
 18101 | D:14     | 18101 ||| SWAPPING to +9 broad axe "Kosum" {antimagic,
                  | rC+}.
 18102 | D:14     | 18102 ||| SWAPPING to +6 heavy broad axe.
 18103 | D:14     | 18103 ||| SWAPPING to +9 broad axe "Kosum" {antimagic,
                  | rC+}.
 18104 | D:14     | 18104 ||| SWAPPING to +6 heavy broad axe.
 18105 | D:14     | 18105 ||| SWAPPING to +9 broad axe "Kosum" {antimagic,
                  | rC+}.
 18106 | D:14     | 18106 ||| SWAPPING to +6 heavy broad axe.
 18107 | D:14     | 18107 ||| SWAPPING to +9 broad axe "Kosum" {antimagic,
                  | rC+}.
 18108 | D:14     | 18108 ||| SWAPPING to +6 heavy broad axe.
 18109 | D:14     | 18109 ||| SWAPPING to +9 broad axe "Kosum" {antimagic,
                  | rC+}.
 18110 | D:14     | 18110 ||| SWAPPING to +6 heavy broad axe.
 18111 | D:14     | 18111 ||| SWAPPING to +9 broad axe "Kosum" {antimagic,
                  | rC+}.
 18112 | D:14     | 18112 ||| SWAPPING to +6 heavy broad axe.
 18113 | D:14     | 18113 ||| SWAPPING to +9 broad axe "Kosum" {antimagic,
                  | rC+}.
 18114 | D:14     | 18114 ||| SWAPPING to +6 heavy broad axe.
 18115 | D:14     | 18115 ||| SWAPPING to +9 broad axe "Kosum" {antimagic,
                  | rC+}.
 18116 | D:14     | 18116 ||| SWAPPING to +6 heavy broad axe.
 18117 | D:14     | 18117 ||| SWAPPING to +9 broad axe "Kosum" {antimagic,
                  | rC+}.
 18118 | D:14     | 18118 ||| SWAPPING to +6 heavy broad axe.
 18119 | D:14     | 18119 ||| SWAPPING to +9 broad axe "Kosum" {antimagic,
                  | rC+}.
 18120 | D:14     | 18120 ||| SWAPPING to +6 heavy broad axe.
 18121 | D:14     | 18121 ||| SWAPPING to +9 broad axe "Kosum" {antimagic,
                  | rC+}.
 18122 | D:14     | 18122 ||| SWAPPING to +6 heavy broad axe.
 18123 | D:14     | 18123 ||| SWAPPING to +9 broad axe "Kosum" {antimagic,
                  | rC+}.
 18124 | D:14     | 18124 ||| SWAPPING to +6 heavy broad axe.
 18125 | D:14     | 18125 ||| SWAPPING to +9 broad axe "Kosum" {antimagic,
                  | rC+}.
 18126 | D:14     | 18126 ||| SWAPPING to +6 heavy broad axe.
 18127 | D:14     | 18127 ||| SWAPPING to +9 broad axe "Kosum" {antimagic,
                  | rC+}.
 18128 | D:14     | 18128 ||| SWAPPING to +6 heavy broad axe.
 18129 | D:14     | 18129 ||| SWAPPING to +9 broad axe "Kosum" {antimagic,
                  | rC+}.
 18130 | D:14     | 18130 ||| SWAPPING to +6 heavy broad axe.
 18131 | D:14     | 18131 ||| SWAPPING to +9 broad axe "Kosum" {antimagic,
                  | rC+}.
 18132 | D:14     | 18132 ||| SWAPPING to +6 heavy broad axe.
 18133 | D:14     | 18133 ||| SWAPPING to +9 broad axe "Kosum" {antimagic,
                  | rC+}.
 18134 | D:14     | 18134 ||| SWAPPING to +6 heavy broad axe.
 18135 | D:14     | 18135 ||| SWAPPING to +9 broad axe "Kosum" {antimagic,
                  | rC+}.
 18136 | D:14     | 18136 ||| SWAPPING to +6 heavy broad axe.
 18137 | D:14     | 18137 ||| SWAPPING to +9 broad axe "Kosum" {antimagic,
                  | rC+}.
 18138 | D:14     | 18138 ||| SWAPPING to +6 heavy broad axe.
 18139 | D:14     | 18139 ||| SWAPPING to +9 broad axe "Kosum" {antimagic,
                  | rC+}.
 18140 | D:14     | 18140 ||| SWAPPING to +6 heavy broad axe.
 18141 | D:14     | 18141 ||| SWAPPING to +9 broad axe "Kosum" {antimagic,
                  | rC+}.
 18142 | D:14     | 18142 ||| SWAPPING to +6 heavy broad axe.
 18143 | D:14     | 18143 ||| SWAPPING to +9 broad axe "Kosum" {antimagic,
                  | rC+}.
 18144 | D:14     | 18144 ||| SWAPPING to +6 heavy broad axe.
 18145 | D:14     | 18145 ||| SWAPPING to +9 broad axe "Kosum" {antimagic,
                  | rC+}.
 18146 | D:14     | 18146 ||| SWAPPING to +6 heavy broad axe.
 18147 | D:14     | 18147 ||| SWAPPING to +9 broad axe "Kosum" {antimagic,
                  | rC+}.
 18148 | D:14     | 18148 ||| SWAPPING to +6 heavy broad axe.
 18149 | D:14     | 18149 ||| SWAPPING to +9 broad axe "Kosum" {antimagic,
                  | rC+}.
 18150 | D:14     | 18150 ||| SWAPPING to +6 heavy broad axe.
 18151 | D:14     | 18151 ||| SWAPPING to +9 broad axe "Kosum" {antimagic,
                  | rC+}.
 18152 | D:14     | 18152 ||| SWAPPING to +6 heavy broad axe.
 18153 | D:14     | 18153 ||| SWAPPING to +9 broad axe "Kosum" {antimagic,
                  | rC+}.
 18154 | D:14     | 18154 ||| SWAPPING to +6 heavy broad axe.
 18155 | D:14     | 18155 ||| SWAPPING to +9 broad axe "Kosum" {antimagic,
                  | rC+}.
 18156 | D:14     | 18156 ||| SWAPPING to +6 heavy broad axe.
 18157 | D:14     | 18157 ||| SWAPPING to +9 broad axe "Kosum" {antimagic,
                  | rC+}.
 18158 | D:14     | 18158 ||| SWAPPING to +6 heavy broad axe.
 18159 | D:14     | 18159 ||| SWAPPING to +9 broad axe "Kosum" {antimagic,
                  | rC+}.
 18160 | D:14     | 18160 ||| SWAPPING to +6 heavy broad axe.
 18161 | D:14     | 18161 ||| SWAPPING to +9 broad axe "Kosum" {antimagic,
                  | rC+}.
 18162 | D:14     | 18162 ||| SWAPPING to +6 heavy broad axe.
 18163 | D:14     | 18163 ||| SWAPPING to +9 broad axe "Kosum" {antimagic,
                  | rC+}.
 18164 | D:14     | 18164 ||| SWAPPING to +6 heavy broad axe.
 18165 | D:14     | 18165 ||| SWAPPING to +9 broad axe "Kosum" {antimagic,
                  | rC+}.
 18166 | D:14     | 18166 ||| SWAPPING to +6 heavy broad axe.
 18167 | D:14     | 18167 ||| SWAPPING to +9 broad axe "Kosum" {antimagic,
                  | rC+}.
 18168 | D:14     | 18168 ||| SWAPPING to +6 heavy broad axe.
 18169 | D:14     | 18169 ||| SWAPPING to +9 broad axe "Kosum" {antimagic,
                  | rC+}.
 18170 | D:14     | 18170 ||| SWAPPING to +6 heavy broad axe.
 18171 | D:14     | 18171 ||| SWAPPING to +9 broad axe "Kosum" {antimagic,
                  | rC+}.
 18172 | D:14     | 18172 ||| SWAPPING to +6 heavy broad axe.
 18173 | D:14     | 18173 ||| SWAPPING to +9 broad axe "Kosum" {antimagic,
                  | rC+}.
 18174 | D:14     | 18174 ||| SWAPPING to +6 heavy broad axe.
 18175 | D:14     | 18175 ||| SWAPPING to +9 broad axe "Kosum" {antimagic,
                  | rC+}.
 18176 | D:14     | 18176 ||| SWAPPING to +6 heavy broad axe.
 18177 | D:14     | 18177 ||| SWAPPING to +9 broad axe "Kosum" {antimagic,
                  | rC+}.
 18178 | D:14     | 18178 ||| SWAPPING to +6 heavy broad axe.
 18179 | D:14     | 18179 ||| SWAPPING to +9 broad axe "Kosum" {antimagic,
                  | rC+}.
 18180 | D:14     | 18180 ||| SWAPPING to +6 heavy broad axe.
 18181 | D:14     | 18181 ||| SWAPPING to +9 broad axe "Kosum" {antimagic,
                  | rC+}.
 18182 | D:14     | 18182 ||| SWAPPING to +6 heavy broad axe.
 18183 | D:14     | 18183 ||| SWAPPING to +9 broad axe "Kosum" {antimagic,
                  | rC+}.
 18184 | D:14     | 18184 ||| SWAPPING to +6 heavy broad axe.
 18185 | D:14     | 18185 ||| SWAPPING to +9 broad axe "Kosum" {antimagic,
                  | rC+}.
 18186 | D:14     | 18186 ||| SWAPPING to +6 heavy broad axe.
 18187 | D:14     | 18187 ||| SWAPPING to +9 broad axe "Kosum" {antimagic,
                  | rC+}.
 18188 | D:14     | 18188 ||| SWAPPING to +6 heavy broad axe.
 18189 | D:14     | 18189 ||| SWAPPING to +9 broad axe "Kosum" {antimagic,
                  | rC+}.
 18190 | D:14     | 18190 ||| SWAPPING to +6 heavy broad axe.
 18191 | D:14     | 18191 ||| SWAPPING to +9 broad axe "Kosum" {antimagic,
                  | rC+}.
 18192 | D:14     | 18192 ||| SWAPPING to +6 heavy broad axe.
 18193 | D:14     | 18193 ||| SWAPPING to +9 broad axe "Kosum" {antimagic,
                  | rC+}.
 18194 | D:14     | 18194 ||| SWAPPING to +6 heavy broad axe.
 18195 | D:14     | 18195 ||| SWAPPING to +9 broad axe "Kosum" {antimagic,
                  | rC+}.
 18196 | D:14     | 18196 ||| SWAPPING to +6 heavy broad axe.
 18197 | D:14     | 18197 ||| SWAPPING to +9 broad axe "Kosum" {antimagic,
                  | rC+}.
 18198 | D:14     | 18198 ||| SWAPPING to +6 heavy broad axe.
 18199 | D:14     | 18199 ||| SWAPPING to +9 broad axe "Kosum" {antimagic,
                  | rC+}.
 18200 | D:14     | 18200 ||| SWAPPING to +6 heavy broad axe.
 18201 | D:14     | 18201 ||| SWAPPING to +9 broad axe "Kosum" {antimagic,
                  | rC+}.
 18202 | D:14     | 18202 ||| SWAPPING to +6 heavy broad axe.
 18203 | D:14     | 18203 ||| SWAPPING to +9 broad axe "Kosum" {antimagic,
                  | rC+}.
 18204 | D:14     | 18204 ||| SWAPPING to +6 heavy broad axe.
 18205 | D:14     | 18205 ||| SWAPPING to +9 broad axe "Kosum" {antimagic,
                  | rC+}.
 18206 | D:14     | 18206 ||| SWAPPING to +6 heavy broad axe.
 18207 | D:14     | 18207 ||| SWAPPING to +9 broad axe "Kosum" {antimagic,
                  | rC+}.
 18208 | D:14     | 18208 ||| SWAPPING to +6 heavy broad axe.
 18209 | D:14     | 18209 ||| SWAPPING to +9 broad axe "Kosum" {antimagic,
                  | rC+}.
 18210 | D:14     | 18210 ||| SWAPPING to +6 heavy broad axe.
 18211 | D:14     | 18211 ||| SWAPPING to +9 broad axe "Kosum" {antimagic,
                  | rC+}.
 18212 | D:14     | 18212 ||| SWAPPING to +6 heavy broad axe.
 18213 | D:14     | 18213 ||| SWAPPING to +9 broad axe "Kosum" {antimagic,
                  | rC+}.
 18214 | D:14     | 18214 ||| SWAPPING to +6 heavy broad axe.
 18215 | D:14     | 18215 ||| SWAPPING to +9 broad axe "Kosum" {antimagic,
                  | rC+}.
 18216 | D:14     | 18216 ||| SWAPPING to +6 heavy broad axe.
 18217 | D:14     | 18217 ||| SWAPPING to +9 broad axe "Kosum" {antimagic,
                  | rC+}.
 18218 | D:14     | 18218 ||| SWAPPING to +6 heavy broad axe.
 18219 | D:14     | 18219 ||| SWAPPING to +9 broad axe "Kosum" {antimagic,
                  | rC+}.
 18220 | D:14     | 18220 ||| SWAPPING to +6 heavy broad axe.
 18221 | D:14     | 18221 ||| SWAPPING to +9 broad axe "Kosum" {antimagic,
                  | rC+}.
 18222 | D:14     | 18222 ||| SWAPPING to +6 heavy broad axe.
 18223 | D:14     | 18223 ||| SWAPPING to +9 broad axe "Kosum" {antimagic,
                  | rC+}.
 18224 | D:14     | 18224 ||| SWAPPING to +6 heavy broad axe.
 18225 | D:14     | 18225 ||| SWAPPING to +9 broad axe "Kosum" {antimagic,
                  | rC+}.
 18226 | D:14     | 18226 ||| SWAPPING to +6 heavy broad axe.
 18227 | D:14     | 18227 ||| SWAPPING to +9 broad axe "Kosum" {antimagic,
                  | rC+}.
 18228 | D:14     | 18228 ||| SWAPPING to +6 heavy broad axe.
 18229 | D:14     | 18229 ||| SWAPPING to +9 broad axe "Kosum" {antimagic,
                  | rC+}.
 18230 | D:14     | 18230 ||| SWAPPING to +6 heavy broad axe.
 18231 | D:14     | 18231 ||| SWAPPING to +9 broad axe "Kosum" {antimagic,
                  | rC+}.
 18232 | D:14     | 18232 ||| SWAPPING to +6 heavy broad axe.
 18233 | D:14     | 18233 ||| SWAPPING to +9 broad axe "Kosum" {antimagic,
                  | rC+}.
 18234 | D:14     | 18234 ||| SWAPPING to +6 heavy broad axe.
 18235 | D:14     | 18235 ||| SWAPPING to +9 broad axe "Kosum" {antimagic,
                  | rC+}.
 18236 | D:14     | 18236 ||| SWAPPING to +6 heavy broad axe.
 18237 | D:14     | 18237 ||| SWAPPING to +9 broad axe "Kosum" {antimagic,
                  | rC+}.
 18238 | D:14     | 18238 ||| SWAPPING to +6 heavy broad axe.
 18239 | D:14     | 18239 ||| SWAPPING to +9 broad axe "Kosum" {antimagic,
                  | rC+}.
 18240 | D:14     | 18240 ||| SWAPPING to +6 heavy broad axe.
 18241 | D:14     | 18241 ||| SWAPPING to +9 broad axe "Kosum" {antimagic,
                  | rC+}.
 18242 | D:14     | 18242 ||| SWAPPING to +6 heavy broad axe.
 18243 | D:14     | 18243 ||| SWAPPING to +9 broad axe "Kosum" {antimagic,
                  | rC+}.
 18244 | D:14     | 18244 ||| SWAPPING to +6 heavy broad axe.
 18245 | D:14     | 18245 ||| SWAPPING to +9 broad axe "Kosum" {antimagic,
                  | rC+}.
 18246 | D:14     | 18246 ||| SWAPPING to +6 heavy broad axe.
 18247 | D:14     | 18247 ||| SWAPPING to +9 broad axe "Kosum" {antimagic,
                  | rC+}.
 18248 | D:14     | 18248 ||| SWAPPING to +6 heavy broad axe.
 18249 | D:14     | 18249 ||| SWAPPING to +9 broad axe "Kosum" {antimagic,
                  | rC+}.
 18250 | D:14     | 18250 ||| SWAPPING to +6 heavy broad axe.
 18251 | D:14     | 18251 ||| SWAPPING to +9 broad axe "Kosum" {antimagic,
                  | rC+}.
 18252 | D:14     | 18252 ||| SWAPPING to +6 heavy broad axe.
 18253 | D:14     | 18253 ||| SWAPPING to +9 broad axe "Kosum" {antimagic,
                  | rC+}.
 18254 | D:14     | 18254 ||| SWAPPING to +6 heavy broad axe.
 18255 | D:14     | 18255 ||| SWAPPING to +9 broad axe "Kosum" {antimagic,
                  | rC+}.
 18256 | D:14     | 18256 ||| SWAPPING to +6 heavy broad axe.
 18257 | D:14     | 18257 ||| SWAPPING to +9 broad axe "Kosum" {antimagic,
                  | rC+}.
 18258 | D:14     | 18258 ||| SWAPPING to +6 heavy broad axe.
 18259 | D:14     | 18259 ||| SWAPPING to +9 broad axe "Kosum" {antimagic,
                  | rC+}.
 18260 | D:14     | 18260 ||| SWAPPING to +6 heavy broad axe.
 18261 | D:14     | 18261 ||| SWAPPING to +9 broad axe "Kosum" {antimagic,
                  | rC+}.
 18262 | D:14     | 18262 ||| SWAPPING to +6 heavy broad axe.
 18263 | D:14     | 18263 ||| SWAPPING to +9 broad axe "Kosum" {antimagic,
                  | rC+}.
 18264 | D:14     | 18264 ||| SWAPPING to +6 heavy broad axe.
 18265 | D:14     | 18265 ||| SWAPPING to +9 broad axe "Kosum" {antimagic,
                  | rC+}.
 18266 | D:14     | 18266 ||| SWAPPING to +6 heavy broad axe.
 18267 | D:14     | 18267 ||| SWAPPING to +9 broad axe "Kosum" {antimagic,
                  | rC+}.
 18268 | D:14     | 18268 ||| SWAPPING to +6 heavy broad axe.
 18269 | D:14     | 18269 ||| SWAPPING to +9 broad axe "Kosum" {antimagic,
                  | rC+}.
 18270 | D:14     | 18270 ||| SWAPPING to +6 heavy broad axe.
 18271 | D:14     | 18271 ||| SWAPPING to +9 broad axe "Kosum" {antimagic,
                  | rC+}.
 18272 | D:14     | 18272 ||| SWAPPING to +6 heavy broad axe.
 18273 | D:14     | 18273 ||| SWAPPING to +9 broad axe "Kosum" {antimagic,
                  | rC+}.
 18274 | D:14     | 18274 ||| SWAPPING to +6 heavy broad axe.
 18275 | D:14     | 18275 ||| SWAPPING to +9 broad axe "Kosum" {antimagic,
                  | rC+}.
 18276 | D:14     | 18276 ||| SWAPPING to +6 heavy broad axe.
 18277 | D:14     | 18277 ||| SWAPPING to +9 broad axe "Kosum" {antimagic,
                  | rC+}.
 18278 | D:14     | 18278 ||| SWAPPING to +6 heavy broad axe.
 18279 | D:14     | 18279 ||| SWAPPING to +9 broad axe "Kosum" {antimagic,
                  | rC+}.
 18280 | D:14     | 18280 ||| SWAPPING to +6 heavy broad axe.
 18281 | D:14     | 18281 ||| SWAPPING to +9 broad axe "Kosum" {antimagic,
                  | rC+}.
 18282 | D:14     | 18282 ||| SWAPPING to +6 heavy broad axe.
 18283 | D:14     | 18283 ||| SWAPPING to +9 broad axe "Kosum" {antimagic,
                  | rC+}.
 18284 | D:14     | 18284 ||| SWAPPING to +6 heavy broad axe.
 18285 | D:14     | 18285 ||| SWAPPING to +9 broad axe "Kosum" {antimagic,
                  | rC+}.
 18286 | D:14     | 18286 ||| SWAPPING to +6 heavy broad axe.
 18287 | D:14     | 18287 ||| SWAPPING to +9 broad axe "Kosum" {antimagic,
                  | rC+}.
 18288 | D:14     | 18288 ||| SWAPPING to +6 heavy broad axe.
 18289 | D:14     | 18289 ||| SWAPPING to +9 broad axe "Kosum" {antimagic,
                  | rC+}.
 18290 | D:14     | 18290 ||| SWAPPING to +6 heavy broad axe.
 18291 | D:14     | 18291 ||| SWAPPING to +9 broad axe "Kosum" {antimagic,
                  | rC+}.
 18292 | D:14     | 18292 ||| SWAPPING to +6 heavy broad axe.
 18293 | D:14     | 18293 ||| SWAPPING to +9 broad axe "Kosum" {antimagic,
                  | rC+}.
 18294 | D:14     | 18294 ||| SWAPPING to +6 heavy broad axe.
 18295 | D:14     | 18295 ||| SWAPPING to +9 broad axe "Kosum" {antimagic,
                  | rC+}.
 18296 | D:14     | 18296 ||| SWAPPING to +6 heavy broad axe.
 18297 | D:14     | 18297 ||| SWAPPING to +9 broad axe "Kosum" {antimagic,
                  | rC+}.
 18298 | D:14     | 18298 ||| SWAPPING to +6 heavy broad axe.
 18299 | D:14     | 18299 ||| SWAPPING to +9 broad axe "Kosum" {antimagic,
                  | rC+}.
 18300 | D:14     | 18300 ||| SWAPPING to +6 heavy broad axe.
 18301 | D:14     | 18301 ||| SWAPPING to +9 broad axe "Kosum" {antimagic,
                  | rC+}.
 18302 | D:14     | 18302 ||| SWAPPING to +6 heavy broad axe.
 18303 | D:14     | 18303 ||| SWAPPING to +9 broad axe "Kosum" {antimagic,
                  | rC+}.
 18304 | D:14     | 18304 ||| SWAPPING to +6 heavy broad axe.
 18305 | D:14     | 18305 ||| SWAPPING to +9 broad axe "Kosum" {antimagic,
                  | rC+}.
 18306 | D:14     | 18306 ||| SWAPPING to +6 heavy broad axe.
 18307 | D:14     | 18307 ||| SWAPPING to +9 broad axe "Kosum" {antimagic,
                  | rC+}.
 18308 | D:14     | 18308 ||| SWAPPING to +6 heavy broad axe.
 18309 | D:14     | 18309 ||| SWAPPING to +9 broad axe "Kosum" {antimagic,
                  | rC+}.
 18310 | D:14     | 18310 ||| SWAPPING to +6 heavy broad axe.
 18311 | D:14     | 18311 ||| SWAPPING to +9 broad axe "Kosum" {antimagic,
                  | rC+}.
 18312 | D:14     | 18312 ||| SWAPPING to +6 heavy broad axe.
 18313 | D:14     | 18313 ||| SWAPPING to +9 broad axe "Kosum" {antimagic,
                  | rC+}.
 18314 | D:14     | 18314 ||| SWAPPING to +6 heavy broad axe.
 18315 | D:14     | 18315 ||| SWAPPING to +9 broad axe "Kosum" {antimagic,
                  | rC+}.
 18316 | D:14     | 18316 ||| SWAPPING to +6 heavy broad axe.
 18317 | D:14     | 18317 ||| SWAPPING to +9 broad axe "Kosum" {antimagic,
                  | rC+}.
 18318 | D:14     | 18318 ||| SWAPPING to +6 heavy broad axe.
 18319 | D:14     | 18319 ||| SWAPPING to +9 broad axe "Kosum" {antimagic,
                  | rC+}.
 18320 | D:14     | 18320 ||| SWAPPING to +6 heavy broad axe.
 18321 | D:14     | 18321 ||| SWAPPING to +9 broad axe "Kosum" {antimagic,
                  | rC+}.
 18322 | D:14     | 18322 ||| SWAPPING to +6 heavy broad axe.
 18323 | D:14     | 18323 ||| SWAPPING to +9 broad axe "Kosum" {antimagic,
                  | rC+}.
 18324 | D:14     | 18324 ||| SWAPPING to +6 heavy broad axe.
 18325 | D:14     | 18325 ||| SWAPPING to +9 broad axe "Kosum" {antimagic,
                  | rC+}.
 18326 | D:14     | 18326 ||| SWAPPING to +6 heavy broad axe.
 18327 | D:14     | 18327 ||| SWAPPING to +9 broad axe "Kosum" {antimagic,
                  | rC+}.
 18328 | D:14     | 18328 ||| SWAPPING to +6 heavy broad axe.
 18329 | D:14     | 18329 ||| SWAPPING to +9 broad axe "Kosum" {antimagic,
                  | rC+}.
 18330 | D:14     | 18330 ||| SWAPPING to +6 heavy broad axe.
 18331 | D:14     | 18331 ||| SWAPPING to +9 broad axe "Kosum" {antimagic,
                  | rC+}.
 18332 | D:14     | 18332 ||| SWAPPING to +6 heavy broad axe.
 18333 | D:14     | 18333 ||| SWAPPING to +9 broad axe "Kosum" {antimagic,
                  | rC+}.
 18334 | D:14     | 18334 ||| SWAPPING to +6 heavy broad axe.
 18335 | D:14     | 18335 ||| SWAPPING to +9 broad axe "Kosum" {antimagic,
                  | rC+}.
 18336 | D:14     | 18336 ||| SWAPPING to +6 heavy broad axe.
 18337 | D:14     | 18337 ||| SWAPPING to +9 broad axe "Kosum" {antimagic,
                  | rC+}.
 18338 | D:14     | 18338 ||| SWAPPING to +6 heavy broad axe.
 18339 | D:14     | 18339 ||| SWAPPING to +9 broad axe "Kosum" {antimagic,
                  | rC+}.
 18340 | D:14     | 18340 ||| SWAPPING to +6 heavy broad axe.
 18341 | D:14     | 18341 ||| SWAPPING to +9 broad axe "Kosum" {antimagic,
                  | rC+}.
 18342 | D:14     | 18342 ||| SWAPPING to +6 heavy broad axe.
 18343 | D:14     | 18343 ||| SWAPPING to +9 broad axe "Kosum" {antimagic,
                  | rC+}.
 18344 | D:14     | 18344 ||| SWAPPING to +6 heavy broad axe.
 18345 | D:14     | 18345 ||| SWAPPING to +9 broad axe "Kosum" {antimagic,
                  | rC+}.
 18346 | D:14     | 18346 ||| SWAPPING to +6 heavy broad axe.
 18347 | D:14     | 18347 ||| SWAPPING to +9 broad axe "Kosum" {antimagic,
                  | rC+}.
 18348 | D:14     | 18348 ||| SWAPPING to +6 heavy broad axe.
 18349 | D:14     | 18349 ||| SWAPPING to +9 broad axe "Kosum" {antimagic,
                  | rC+}.
 18350 | D:14     | 18350 ||| SWAPPING to +6 heavy broad axe.
 18351 | D:14     | 18351 ||| SWAPPING to +9 broad axe "Kosum" {antimagic,
                  | rC+}.
 18352 | D:14     | 18352 ||| SWAPPING to +6 heavy broad axe.
 18353 | D:14     | 18353 ||| SWAPPING to +9 broad axe "Kosum" {antimagic,
                  | rC+}.
 18354 | D:14     | 18354 ||| SWAPPING to +6 heavy broad axe.
 18355 | D:14     | 18355 ||| SWAPPING to +9 broad axe "Kosum" {antimagic,
                  | rC+}.
 18356 | D:14     | 18356 ||| SWAPPING to +6 heavy broad axe.
 18357 | D:14     | 18357 ||| SWAPPING to +9 broad axe "Kosum" {antimagic,
                  | rC+}.
 18358 | D:14     | 18358 ||| SWAPPING to +6 heavy broad axe.
 18359 | D:14     | 18359 ||| SWAPPING to +9 broad axe "Kosum" {antimagic,
                  | rC+}.
 18360 | D:14     | 18360 ||| SWAPPING to +6 heavy broad axe.
 18361 | D:14     | 18361 ||| SWAPPING to +9 broad axe "Kosum" {antimagic,
                  | rC+}.
 18362 | D:14     | 18362 ||| SWAPPING to +6 heavy broad axe.
 18363 | D:14     | 18363 ||| SWAPPING to +9 broad axe "Kosum" {antimagic,
                  | rC+}.
 18364 | D:14     | 18364 ||| SWAPPING to +6 heavy broad axe.
 18365 | D:14     | 18365 ||| SWAPPING to +9 broad axe "Kosum" {antimagic,
                  | rC+}.
 18366 | D:14     | 18366 ||| SWAPPING to +6 heavy broad axe.
 18367 | D:14     | 18367 ||| SWAPPING to +9 broad axe "Kosum" {antimagic,
                  | rC+}.
 18368 | D:14     | 18368 ||| SWAPPING to +6 heavy broad axe.
 18369 | D:14     | 18369 ||| SWAPPING to +9 broad axe "Kosum" {antimagic,
                  | rC+}.
 18370 | D:14     | 18370 ||| SWAPPING to +6 heavy broad axe.
 18371 | D:14     | 18371 ||| SWAPPING to +9 broad axe "Kosum" {antimagic,
                  | rC+}.
 18372 | D:14     | 18372 ||| SWAPPING to +6 heavy broad axe.
 18373 | D:14     | 18373 ||| SWAPPING to +9 broad axe "Kosum" {antimagic,
                  | rC+}.
 18374 | D:14     | 18374 ||| SWAPPING to +6 heavy broad axe.
 18375 | D:14     | 18375 ||| SWAPPING to +9 broad axe "Kosum" {antimagic,
                  | rC+}.
 18376 | D:14     | 18376 ||| SWAPPING to +6 heavy broad axe.
 18377 | D:14     | 18377 ||| SWAPPING to +9 broad axe "Kosum" {antimagic,
                  | rC+}.
 18378 | D:14     | 18378 ||| SWAPPING to +6 heavy broad axe.
 18379 | D:14     | 18379 ||| SWAPPING to +9 broad axe "Kosum" {antimagic,
                  | rC+}.
 18380 | D:14     | 18380 ||| SWAPPING to +6 heavy broad axe.
 18381 | D:14     | 18381 ||| SWAPPING to +9 broad axe "Kosum" {antimagic,
                  | rC+}.
 18382 | D:14     | 18382 ||| SWAPPING to +6 heavy broad axe.
 18383 | D:14     | 18383 ||| SWAPPING to +9 broad axe "Kosum" {antimagic,
                  | rC+}.
 18384 | D:14     | 18384 ||| SWAPPING to +6 heavy broad axe.
 18385 | D:14     | 18385 ||| SWAPPING to +9 broad axe "Kosum" {antimagic,
                  | rC+}.
 18386 | D:14     | 18386 ||| SWAPPING to +6 heavy broad axe.
 18387 | D:14     | 18387 ||| SWAPPING to +9 broad axe "Kosum" {antimagic,
                  | rC+}.
 18388 | D:14     | 18388 ||| SWAPPING to +6 heavy broad axe.
 18389 | D:14     | 18389 ||| SWAPPING to +9 broad axe "Kosum" {antimagic,
                  | rC+}.
 18390 | D:14     | 18390 ||| SWAPPING to +6 heavy broad axe.
 18391 | D:14     | 18391 ||| SWAPPING to +9 broad axe "Kosum" {antimagic,
                  | rC+}.
 18392 | D:14     | 18392 ||| SWAPPING to +6 heavy broad axe.
 18393 | D:14     | 18393 ||| SWAPPING to +9 broad axe "Kosum" {antimagic,
                  | rC+}.
 18394 | D:14     | 18394 ||| SWAPPING to +6 heavy broad axe.
 18395 | D:14     | 18395 ||| SWAPPING to +9 broad axe "Kosum" {antimagic,
                  | rC+}.
 18396 | D:14     | 18396 ||| SWAPPING to +6 heavy broad axe.
 18397 | D:14     | 18397 ||| SWAPPING to +9 broad axe "Kosum" {antimagic,
                  | rC+}.
 18398 | D:14     | 18398 ||| SWAPPING to +6 heavy broad axe.
 18399 | D:14     | 18399 ||| SWAPPING to +9 broad axe "Kosum" {antimagic,
                  | rC+}.
 18400 | D:14     | 18400 ||| SWAPPING to +6 heavy broad axe.
 18401 | D:14     | 18401 ||| SWAPPING to +9 broad axe "Kosum" {antimagic,
                  | rC+}.
 18402 | D:14     | 18402 ||| SWAPPING to +6 heavy broad axe.
 18403 | D:14     | 18403 ||| SWAPPING to +9 broad axe "Kosum" {antimagic,
                  | rC+}.
 18404 | D:14     | 18404 ||| SWAPPING to +6 heavy broad axe.
 18405 | D:14     | 18405 ||| SWAPPING to +9 broad axe "Kosum" {antimagic,
                  | rC+}.
 18406 | D:14     | 18406 ||| SWAPPING to +6 heavy broad axe.
 18407 | D:14     | 18407 ||| SWAPPING to +9 broad axe "Kosum" {antimagic,
                  | rC+}.
 18408 | D:14     | 18408 ||| SWAPPING to +6 heavy broad axe.
 18409 | D:14     | 18409 ||| SWAPPING to +9 broad axe "Kosum" {antimagic,
                  | rC+}.
 18410 | D:14     | 18410 ||| SWAPPING to +6 heavy broad axe.
 18411 | D:14     | 18411 ||| SWAPPING to +9 broad axe "Kosum" {antimagic,
                  | rC+}.
 18412 | D:14     | 18412 ||| SWAPPING to +6 heavy broad axe.
 18413 | D:14     | 18413 ||| SWAPPING to +9 broad axe "Kosum" {antimagic,
                  | rC+}.
 18414 | D:14     | 18414 ||| SWAPPING to +6 heavy broad axe.
 18415 | D:14     | 18415 ||| SWAPPING to +9 broad axe "Kosum" {antimagic,
                  | rC+}.
 18416 | D:14     | 18416 ||| SWAPPING to +6 heavy broad axe.
 18417 | D:14     | 18417 ||| SWAPPING to +9 broad axe "Kosum" {antimagic,
                  | rC+}.
 18418 | D:14     | 18418 ||| SWAPPING to +6 heavy broad axe.
 18419 | D:14     | 18419 ||| SWAPPING to +9 broad axe "Kosum" {antimagic,
                  | rC+}.
 18420 | D:14     | 18420 ||| SWAPPING to +6 heavy broad axe.
 18421 | D:14     | 18421 ||| SWAPPING to +9 broad axe "Kosum" {antimagic,
                  | rC+}.
 18422 | D:14     | 18422 ||| SWAPPING to +6 heavy broad axe.
 18423 | D:14     | 18423 ||| SWAPPING to +9 broad axe "Kosum" {antimagic,
                  | rC+}.
 18424 | D:14     | 18424 ||| SWAPPING to +6 heavy broad axe.
 18425 | D:14     | 18425 ||| SWAPPING to +9 broad axe "Kosum" {antimagic,
                  | rC+}.
 18426 | D:14     | 18426 ||| SWAPPING to +6 heavy broad axe.
 18427 | D:14     | 18427 ||| SWAPPING to +9 broad axe "Kosum" {antimagic,
                  | rC+}.
 18428 | D:14     | 18428 ||| SWAPPING to +6 heavy broad axe.
 18429 | D:14     | 18429 ||| SWAPPING to +9 broad axe "Kosum" {antimagic,
                  | rC+}.
 18430 | D:14     | 18430 ||| SWAPPING to +6 heavy broad axe.
 18431 | D:14     | 18431 ||| SWAPPING to +9 broad axe "Kosum" {antimagic,
                  | rC+}.
 18432 | D:14     | 18432 ||| SWAPPING to +6 heavy broad axe.
 18433 | D:14     | 18433 ||| SWAPPING to +9 broad axe "Kosum" {antimagic,
                  | rC+}.
 18434 | D:14     | 18434 ||| SWAPPING to +6 heavy broad axe.
 18435 | D:14     | 18435 ||| SWAPPING to +9 broad axe "Kosum" {antimagic,
                  | rC+}.
 18436 | D:14     | 18436 ||| SWAPPING to +6 heavy broad axe.
 18437 | D:14     | 18437 ||| SWAPPING to +9 broad axe "Kosum" {antimagic,
                  | rC+}.
 18438 | D:14     | 18438 ||| SWAPPING to +6 heavy broad axe.
 18439 | D:14     | 18439 ||| SWAPPING to +9 broad axe "Kosum" {antimagic,
                  | rC+}.
 18440 | D:14     | 18440 ||| SWAPPING to +6 heavy broad axe.
 18441 | D:14     | 18441 ||| SWAPPING to +9 broad axe "Kosum" {antimagic,
                  | rC+}.
 18442 | D:14     | 18442 ||| SWAPPING to +6 heavy broad axe.
 18443 | D:14     | 18443 ||| SWAPPING to +9 broad axe "Kosum" {antimagic,
                  | rC+}.
 18444 | D:14     | 18444 ||| SWAPPING to +6 heavy broad axe.
 18445 | D:14     | 18445 ||| SWAPPING to +9 broad axe "Kosum" {antimagic,
                  | rC+}.
 18446 | D:14     | 18446 ||| SWAPPING to +6 heavy broad axe.
 18447 | D:14     | 18447 ||| SWAPPING to +9 broad axe "Kosum" {antimagic,
                  | rC+}.
 18448 | D:14     | 18448 ||| SWAPPING to +6 heavy broad axe.
 18449 | D:14     | 18449 ||| SWAPPING to +9 broad axe "Kosum" {antimagic,
                  | rC+}.
 18450 | D:14     | 18450 ||| SWAPPING to +6 heavy broad axe.
 18451 | D:14     | 18451 ||| SWAPPING to +9 broad axe "Kosum" {antimagic,
                  | rC+}.
 18452 | D:14     | 18452 ||| SWAPPING to +6 heavy broad axe.
 18453 | D:14     | 18453 ||| SWAPPING to +9 broad axe "Kosum" {antimagic,
                  | rC+}.
 18454 | D:14     | 18454 ||| SWAPPING to +6 heavy broad axe.
 18455 | D:14     | 18455 ||| SWAPPING to +9 broad axe "Kosum" {antimagic,
                  | rC+}.
 18456 | D:14     | 18456 ||| SWAPPING to +6 heavy broad axe.
 18457 | D:14     | 18457 ||| SWAPPING to +9 broad axe "Kosum" {antimagic,
                  | rC+}.
 18458 | D:14     | 18458 ||| SWAPPING to +6 heavy broad axe.
 18459 | D:14     | 18459 ||| SWAPPING to +9 broad axe "Kosum" {antimagic,
                  | rC+}.
 18460 | D:14     | 18460 ||| SWAPPING to +6 heavy broad axe.
 18461 | D:14     | 18461 ||| SWAPPING to +9 broad axe "Kosum" {antimagic,
                  | rC+}.
 18462 | D:14     | 18462 ||| SWAPPING to +6 heavy broad axe.
 18463 | D:14     | 18463 ||| SWAPPING to +9 broad axe "Kosum" {antimagic,
                  | rC+}.
 18464 | D:14     | 18464 ||| SWAPPING to +6 heavy broad axe.
 18465 | D:14     | 18465 ||| SWAPPING to +9 broad axe "Kosum" {antimagic,
                  | rC+}.
 18466 | D:14     | 18466 ||| SWAPPING to +6 heavy broad axe.
 18467 | D:14     | 18467 ||| SWAPPING to +9 broad axe "Kosum" {antimagic,
                  | rC+}.
 18468 | D:14     | 18468 ||| SWAPPING to +6 heavy broad axe.
 18469 | D:14     | 18469 ||| SWAPPING to +9 broad axe "Kosum" {antimagic,
                  | rC+}.
 18470 | D:14     | 18470 ||| SWAPPING to +6 heavy broad axe.
 18471 | D:14     | 18471 ||| SWAPPING to +9 broad axe "Kosum" {antimagic,
                  | rC+}.
 18472 | D:14     | 18472 ||| SWAPPING to +6 heavy broad axe.
 18473 | D:14     | 18473 ||| SWAPPING to +9 broad axe "Kosum" {antimagic,
                  | rC+}.
 18474 | D:14     | 18474 ||| SWAPPING to +6 heavy broad axe.
 18475 | D:14     | 18475 ||| SWAPPING to +9 broad axe "Kosum" {antimagic,
                  | rC+}.
 18476 | D:14     | 18476 ||| SWAPPING to +6 heavy broad axe.
 18477 | D:14     | 18477 ||| SWAPPING to +9 broad axe "Kosum" {antimagic,
                  | rC+}.
 18478 | D:14     | 18478 ||| SWAPPING to +6 heavy broad axe.
 18479 | D:14     | 18479 ||| SWAPPING to +9 broad axe "Kosum" {antimagic,
                  | rC+}.
 18480 | D:14     | 18480 ||| SWAPPING to +6 heavy broad axe.
 18481 | D:14     | 18481 ||| SWAPPING to +9 broad axe "Kosum" {antimagic,
                  | rC+}.
 18482 | D:14     | 18482 ||| SWAPPING to +6 heavy broad axe.
 18483 | D:14     | 18483 ||| SWAPPING to +9 broad axe "Kosum" {antimagic,
                  | rC+}.
 18484 | D:14     | 18484 ||| SWAPPING to +6 heavy broad axe.
 18485 | D:14     | 18485 ||| SWAPPING to +9 broad axe "Kosum" {antimagic,
                  | rC+}.
 18486 | D:14     | 18486 ||| SWAPPING to +6 heavy broad axe.
 18487 | D:14     | 18487 ||| SWAPPING to +9 broad axe "Kosum" {antimagic,
                  | rC+}.
 18488 | D:14     | 18488 ||| SWAPPING to +6 heavy broad axe.
 18489 | D:14     | 18489 ||| SWAPPING to +9 broad axe "Kosum" {antimagic,
                  | rC+}.
 18490 | D:14     | 18490 ||| SWAPPING to +6 heavy broad axe.
 18491 | D:14     | 18491 ||| SWAPPING to +9 broad axe "Kosum" {antimagic,
                  | rC+}.
 18492 | D:14     | 18492 ||| SWAPPING to +6 heavy broad axe.
 18493 | D:14     | 18493 ||| SWAPPING to +9 broad axe "Kosum" {antimagic,
                  | rC+}.
 18494 | D:14     | 18494 ||| SWAPPING to +6 heavy broad axe.
 18495 | D:14     | 18495 ||| SWAPPING to +9 broad axe "Kosum" {antimagic,
                  | rC+}.
 18496 | D:14     | 18496 ||| SWAPPING to +6 heavy broad axe.
 18497 | D:14     | 18497 ||| SWAPPING to +9 broad axe "Kosum" {antimagic,
                  | rC+}.
 18498 | D:14     | 18498 ||| SWAPPING to +6 heavy broad axe.
 18499 | D:14     | 18499 ||| SWAPPING to +9 broad axe "Kosum" {antimagic,
                  | rC+}.
 18500 | D:14     | 18500 ||| SWAPPING to +6 heavy broad axe.
 18501 | D:14     | 18501 ||| SWAPPING to +9 broad axe "Kosum" {antimagic,
                  | rC+}.
 18502 | D:14     | 18502 ||| SWAPPING to +6 heavy broad axe.
 18503 | D:14     | 18503 ||| SWAPPING to +9 broad axe "Kosum" {antimagic,
                  | rC+}.
 18504 | D:14     | 18504 ||| SWAPPING to +6 heavy broad axe.
 18505 | D:14     | 18505 ||| SWAPPING to +9 broad axe "Kosum" {antimagic,
                  | rC+}.
 18506 | D:14     | 18506 ||| SWAPPING to +6 heavy broad axe.
 18507 | D:14     | 18507 ||| SWAPPING to +9 broad axe "Kosum" {antimagic,
                  | rC+}.
 18508 | D:14     | 18508 ||| SWAPPING to +6 heavy broad axe.
 18509 | D:14     | 18509 ||| SWAPPING to +9 broad axe "Kosum" {antimagic,
                  | rC+}.
 18510 | D:14     | 18510 ||| SWAPPING to +6 heavy broad axe.
 18511 | D:14     | 18511 ||| SWAPPING to +9 broad axe "Kosum" {antimagic,
                  | rC+}.
 18512 | D:14     | 18512 ||| SWAPPING to +6 heavy broad axe.
 18513 | D:14     | 18513 ||| SWAPPING to +9 broad axe "Kosum" {antimagic,
                  | rC+}.
 18514 | D:14     | 18514 ||| SWAPPING to +6 heavy broad axe.
 18515 | D:14     | 18515 ||| SWAPPING to +9 broad axe "Kosum" {antimagic,
                  | rC+}.
 18516 | D:14     | 18516 ||| SWAPPING to +6 heavy broad axe.
 18517 | D:14     | 18517 ||| SWAPPING to +9 broad axe "Kosum" {antimagic,
                  | rC+}.
 18518 | D:14     | 18518 ||| SWAPPING to +6 heavy broad axe.
 18519 | D:14     | 18519 ||| SWAPPING to +9 broad axe "Kosum" {antimagic,
                  | rC+}.
 18520 | D:14     | 18520 ||| SWAPPING to +6 heavy broad axe.
 18521 | D:14     | 18521 ||| SWAPPING to +9 broad axe "Kosum" {antimagic,
                  | rC+}.
 18522 | D:14     | 18522 ||| SWAPPING to +6 heavy broad axe.
 18523 | D:14     | 18523 ||| SWAPPING to +9 broad axe "Kosum" {antimagic,
                  | rC+}.
 18524 | D:14     | 18524 ||| SWAPPING to +6 heavy broad axe.
 18525 | D:14     | 18525 ||| SWAPPING to +9 broad axe "Kosum" {antimagic,
                  | rC+}.
 18526 | D:14     | 18526 ||| SWAPPING to +6 heavy broad axe.
 18527 | D:14     | 18527 ||| SWAPPING to +9 broad axe "Kosum" {antimagic,
                  | rC+}.
 18528 | D:14     | 18528 ||| SWAPPING to +6 heavy broad axe.
 18529 | D:14     | 18529 ||| SWAPPING to +9 broad axe "Kosum" {antimagic,
                  | rC+}.
 18530 | D:14     | 18530 ||| SWAPPING to +6 heavy broad axe.
 18531 | D:14     | 18531 ||| SWAPPING to +9 broad axe "Kosum" {antimagic,
                  | rC+}.
 18532 | D:14     | 18532 ||| SWAPPING to +6 heavy broad axe.
 18533 | D:14     | 18533 ||| SWAPPING to +9 broad axe "Kosum" {antimagic,
                  | rC+}.
 18534 | D:14     | 18534 ||| SWAPPING to +6 heavy broad axe.
 18535 | D:14     | 18535 ||| SWAPPING to +9 broad axe "Kosum" {antimagic,
                  | rC+}.
 18536 | D:14     | 18536 ||| SWAPPING to +6 heavy broad axe.
 18537 | D:14     | 18537 ||| SWAPPING to +9 broad axe "Kosum" {antimagic,
                  | rC+}.
 18538 | D:14     | 18538 ||| SWAPPING to +6 heavy broad axe.
 18539 | D:14     | 18539 ||| SWAPPING to +9 broad axe "Kosum" {antimagic,
                  | rC+}.
 18540 | D:14     | 18540 ||| SWAPPING to +6 heavy broad axe.
 18541 | D:14     | 18541 ||| SWAPPING to +9 broad axe "Kosum" {antimagic,
                  | rC+}.
 18542 | D:14     | 18542 ||| SWAPPING to +6 heavy broad axe.
 18543 | D:14     | 18543 ||| SWAPPING to +9 broad axe "Kosum" {antimagic,
                  | rC+}.
 18544 | D:14     | 18544 ||| SWAPPING to +6 heavy broad axe.
 18545 | D:14     | 18545 ||| SWAPPING to +9 broad axe "Kosum" {antimagic,
                  | rC+}.
 18546 | D:14     | 18546 ||| SWAPPING to +6 heavy broad axe.
 18547 | D:14     | 18547 ||| SWAPPING to +9 broad axe "Kosum" {antimagic,
                  | rC+}.
 18548 | D:14     | 18548 ||| SWAPPING to +6 heavy broad axe.
 18549 | D:14     | 18549 ||| SWAPPING to +9 broad axe "Kosum" {antimagic,
                  | rC+}.
 18550 | D:14     | 18550 ||| SWAPPING to +6 heavy broad axe.
 18551 | D:14     | 18551 ||| SWAPPING to +9 broad axe "Kosum" {antimagic,
                  | rC+}.
 18552 | D:14     | 18552 ||| SWAPPING to +6 heavy broad axe.
 18553 | D:14     | 18553 ||| SWAPPING to +9 broad axe "Kosum" {antimagic,
                  | rC+}.
 18554 | D:14     | 18554 ||| SWAPPING to +6 heavy broad axe.
 18555 | D:14     | 18555 ||| SWAPPING to +9 broad axe "Kosum" {antimagic,
                  | rC+}.
 18556 | D:14     | 18556 ||| SWAPPING to +6 heavy broad axe.
 18557 | D:14     | 18557 ||| SWAPPING to +9 broad axe "Kosum" {antimagic,
                  | rC+}.
 18558 | D:14     | 18558 ||| SWAPPING to +6 heavy broad axe.
 18559 | D:14     | 18559 ||| SWAPPING to +9 broad axe "Kosum" {antimagic,
                  | rC+}.
 18560 | D:14     | 18560 ||| SWAPPING to +6 heavy broad axe.
 18561 | D:14     | 18561 ||| SWAPPING to +9 broad axe "Kosum" {antimagic,
                  | rC+}.
 18562 | D:14     | 18562 ||| SWAPPING to +6 heavy broad axe.
 18563 | D:14     | 18563 ||| SWAPPING to +9 broad axe "Kosum" {antimagic,
                  | rC+}.
 18564 | D:14     | 18564 ||| SWAPPING to +6 heavy broad axe.
 18565 | D:14     | 18565 ||| SWAPPING to +9 broad axe "Kosum" {antimagic,
                  | rC+}.
 18566 | D:14     | 18566 ||| SWAPPING to +6 heavy broad axe.
 18567 | D:14     | 18567 ||| SWAPPING to +9 broad axe "Kosum" {antimagic,
                  | rC+}.
 18568 | D:14     | 18568 ||| SWAPPING to +6 heavy broad axe.
 18569 | D:14     | 18569 ||| SWAPPING to +9 broad axe "Kosum" {antimagic,
                  | rC+}.
 18570 | D:14     | 18570 ||| SWAPPING to +6 heavy broad axe.
 18571 | D:14     | 18571 ||| SWAPPING to +9 broad axe "Kosum" {antimagic,
                  | rC+}.
 18572 | D:14     | 18572 ||| SWAPPING to +6 heavy broad axe.
 18573 | D:14     | 18573 ||| SWAPPING to +9 broad axe "Kosum" {antimagic,
                  | rC+}.
 18574 | D:14     | 18574 ||| SWAPPING to +6 heavy broad axe.
 18575 | D:14     | 18575 ||| SWAPPING to +9 broad axe "Kosum" {antimagic,
                  | rC+}.
 18576 | D:14     | 18576 ||| SWAPPING to +6 heavy broad axe.
 18577 | D:14     | 18577 ||| SWAPPING to +9 broad axe "Kosum" {antimagic,
                  | rC+}.
 18578 | D:14     | 18578 ||| SWAPPING to +6 heavy broad axe.
 18579 | D:14     | 18579 ||| SWAPPING to +9 broad axe "Kosum" {antimagic,
                  | rC+}.
 18580 | D:14     | 18580 ||| SWAPPING to +6 heavy broad axe.
 18581 | D:14     | 18581 ||| SWAPPING to +9 broad axe "Kosum" {antimagic,
                  | rC+}.
 18582 | D:14     | 18582 ||| SWAPPING to +6 heavy broad axe.
 18583 | D:14     | 18583 ||| SWAPPING to +9 broad axe "Kosum" {antimagic,
                  | rC+}.
 18584 | D:14     | 18584 ||| SWAPPING to +6 heavy broad axe.
 18585 | D:14     | 18585 ||| SWAPPING to +9 broad axe "Kosum" {antimagic,
                  | rC+}.
 18586 | D:14     | 18586 ||| SWAPPING to +6 heavy broad axe.
 18587 | D:14     | 18587 ||| SWAPPING to +9 broad axe "Kosum" {antimagic,
                  | rC+}.
 18588 | D:14     | 18588 ||| SWAPPING to +6 heavy broad axe.
 18589 | D:14     | 18589 ||| SWAPPING to +9 broad axe "Kosum" {antimagic,
                  | rC+}.
 18590 | D:14     | 18590 ||| SWAPPING to +6 heavy broad axe.
 18591 | D:14     | 18591 ||| SWAPPING to +9 broad axe "Kosum" {antimagic,
                  | rC+}.
 18592 | D:14     | 18592 ||| SWAPPING to +6 heavy broad axe.
 18593 | D:14     | 18593 ||| SWAPPING to +9 broad axe "Kosum" {antimagic,
                  | rC+}.
 18594 | D:14     | 18594 ||| SWAPPING to +6 heavy broad axe.
 18595 | D:14     | 18595 ||| SWAPPING to +9 broad axe "Kosum" {antimagic,
                  | rC+}.
 18596 | D:14     | 18596 ||| SWAPPING to +6 heavy broad axe.
 18597 | D:14     | 18597 ||| SWAPPING to +9 broad axe "Kosum" {antimagic,
                  | rC+}.
 18598 | D:14     | 18598 ||| SWAPPING to +6 heavy broad axe.
 18599 | D:14     | 18599 ||| SWAPPING to +9 broad axe "Kosum" {antimagic,
                  | rC+}.
 18600 | D:14     | 18600 ||| SWAPPING to +6 heavy broad axe.
 18601 | D:14     | 18601 ||| SWAPPING to +9 broad axe "Kosum" {antimagic,
                  | rC+}.
 18602 | D:14     | 18602 ||| SWAPPING to +6 heavy broad axe.
 18603 | D:14     | 18603 ||| SWAPPING to +9 broad axe "Kosum" {antimagic,
                  | rC+}.
 18604 | D:14     | 18604 ||| SWAPPING to +6 heavy broad axe.
 18605 | D:14     | 18605 ||| SWAPPING to +9 broad axe "Kosum" {antimagic,
                  | rC+}.
 18606 | D:14     | 18606 ||| SWAPPING to +6 heavy broad axe.
 18607 | D:14     | 18607 ||| SWAPPING to +9 broad axe "Kosum" {antimagic,
                  | rC+}.
 18608 | D:14     | 18608 ||| SWAPPING to +6 heavy broad axe.
 18609 | D:14     | 18609 ||| SWAPPING to +9 broad axe "Kosum" {antimagic,
                  | rC+}.
 18610 | D:14     | 18610 ||| SWAPPING to +6 heavy broad axe.
 18611 | D:14     | 18611 ||| SWAPPING to +9 broad axe "Kosum" {antimagic,
                  | rC+}.
 18612 | D:14     | 18612 ||| SWAPPING to +6 heavy broad axe.
 18613 | D:14     | 18613 ||| SWAPPING to +9 broad axe "Kosum" {antimagic,
                  | rC+}.
 18614 | D:14     | 18614 ||| SWAPPING to +6 heavy broad axe.
 18615 | D:14     | 18615 ||| SWAPPING to +9 broad axe "Kosum" {antimagic,
                  | rC+}.
 18616 | D:14     | 18616 ||| SWAPPING to +6 heavy broad axe.
 18617 | D:14     | 18617 ||| SWAPPING to +9 broad axe "Kosum" {antimagic,
                  | rC+}.
 18618 | D:14     | 18618 ||| SWAPPING to +6 heavy broad axe.
 18619 | D:14     | 18619 ||| SWAPPING to +9 broad axe "Kosum" {antimagic,
                  | rC+}.
 18620 | D:14     | 18620 ||| SWAPPING to +6 heavy broad axe.
 18621 | D:14     | 18621 ||| SWAPPING to +9 broad axe "Kosum" {antimagic,
                  | rC+}.
 18622 | D:14     | 18622 ||| SWAPPING to +6 heavy broad axe.
 18623 | D:14     | 18623 ||| SWAPPING to +9 broad axe "Kosum" {antimagic,
                  | rC+}.
 18624 | D:14     | 18624 ||| SWAPPING to +6 heavy broad axe.
 18625 | D:14     | 18625 ||| SWAPPING to +9 broad axe "Kosum" {antimagic,
                  | rC+}.
 18626 | D:14     | 18626 ||| SWAPPING to +6 heavy broad axe.
 18627 | D:14     | 18627 ||| SWAPPING to +9 broad axe "Kosum" {antimagic,
                  | rC+}.
 18628 | D:14     | 18628 ||| SWAPPING to +6 heavy broad axe.
 18629 | D:14     | 18629 ||| SWAPPING to +9 broad axe "Kosum" {antimagic,
                  | rC+}.
 18630 | D:14     | 18630 ||| SWAPPING to +6 heavy broad axe.
 18631 | D:14     | 18631 ||| SWAPPING to +9 broad axe "Kosum" {antimagic,
                  | rC+}.
 18632 | D:14     | 18632 ||| SWAPPING to +6 heavy broad axe.
 18633 | D:14     | 18633 ||| SWAPPING to +9 broad axe "Kosum" {antimagic,
                  | rC+}.
 18634 | D:14     | 18634 ||| SWAPPING to +6 heavy broad axe.
 18635 | D:14     | 18635 ||| SWAPPING to +9 broad axe "Kosum" {antimagic,
                  | rC+}.
 18636 | D:14     | 18636 ||| SWAPPING to +6 heavy broad axe.
 18637 | D:14     | 18637 ||| SWAPPING to +9 broad axe "Kosum" {antimagic,
                  | rC+}.
 18638 | D:14     | 18638 ||| SWAPPING to +6 heavy broad axe.
 18639 | D:14     | 18639 ||| SWAPPING to +9 broad axe "Kosum" {antimagic,
                  | rC+}.
 18640 | D:14     | 18640 ||| SWAPPING to +6 heavy broad axe.
 18641 | D:14     | 18641 ||| SWAPPING to +9 broad axe "Kosum" {antimagic,
                  | rC+}.
 18642 | D:14     | 18642 ||| SWAPPING to +6 heavy broad axe.
 18643 | D:14     | 18643 ||| SWAPPING to +9 broad axe "Kosum" {antimagic,
                  | rC+}.
 18644 | D:14     | 18644 ||| SWAPPING to +6 heavy broad axe.
 18645 | D:14     | 18645 ||| SWAPPING to +9 broad axe "Kosum" {antimagic,
                  | rC+}.
 18646 | D:14     | 18646 ||| SWAPPING to +6 heavy broad axe.
 18647 | D:14     | 18647 ||| SWAPPING to +9 broad axe "Kosum" {antimagic,
                  | rC+}.
 18648 | D:14     | 18648 ||| SWAPPING to +6 heavy broad axe.
 18649 | D:14     | 18649 ||| SWAPPING to +9 broad axe "Kosum" {antimagic,
                  | rC+}.
 18650 | D:14     | 18650 ||| SWAPPING to +6 heavy broad axe.
 18651 | D:14     | 18651 ||| SWAPPING to +9 broad axe "Kosum" {antimagic,
                  | rC+}.
 18652 | D:14     | 18652 ||| SWAPPING to +6 heavy broad axe.
 18653 | D:14     | 18653 ||| SWAPPING to +9 broad axe "Kosum" {antimagic,
                  | rC+}.
 18654 | D:14     | 18654 ||| SWAPPING to +6 heavy broad axe.
 18655 | D:14     | 18655 ||| SWAPPING to +9 broad axe "Kosum" {antimagic,
                  | rC+}.
 18656 | D:14     | 18656 ||| SWAPPING to +6 heavy broad axe.
 18657 | D:14     | 18657 ||| SWAPPING to +9 broad axe "Kosum" {antimagic,
                  | rC+}.
 18658 | D:14     | 18658 ||| SWAPPING to +6 heavy broad axe.
 18659 | D:14     | 18659 ||| SWAPPING to +9 broad axe "Kosum" {antimagic,
                  | rC+}.
 18660 | D:14     | 18660 ||| SWAPPING to +6 heavy broad axe.
 18661 | D:14     | 18661 ||| SWAPPING to +9 broad axe "Kosum" {antimagic,
                  | rC+}.
 18662 | D:14     | 18662 ||| SWAPPING to +6 heavy broad axe.
 18663 | D:14     | 18663 ||| SWAPPING to +9 broad axe "Kosum" {antimagic,
                  | rC+}.
 18664 | D:14     | 18664 ||| SWAPPING to +6 heavy broad axe.
 18665 | D:14     | 18665 ||| SWAPPING to +9 broad axe "Kosum" {antimagic,
                  | rC+}.
 18666 | D:14     | 18666 ||| SWAPPING to +6 heavy broad axe.
 18667 | D:14     | 18667 ||| SWAPPING to +9 broad axe "Kosum" {antimagic,
                  | rC+}.
 18668 | D:14     | 18668 ||| SWAPPING to +6 heavy broad axe.
 18669 | D:14     | 18669 ||| SWAPPING to +9 broad axe "Kosum" {antimagic,
                  | rC+}.
 18670 | D:14     | 18670 ||| SWAPPING to +6 heavy broad axe.
 18671 | D:14     | 18671 ||| SWAPPING to +9 broad axe "Kosum" {antimagic,
                  | rC+}.
 18672 | D:14     | 18672 ||| SWAPPING to +6 heavy broad axe.
 18673 | D:14     | 18673 ||| SWAPPING to +9 broad axe "Kosum" {antimagic,
                  | rC+}.
 18674 | D:14     | 18674 ||| SWAPPING to +6 heavy broad axe.
 18675 | D:14     | 18675 ||| SWAPPING to +9 broad axe "Kosum" {antimagic,
                  | rC+}.
 18676 | D:14     | 18676 ||| SWAPPING to +6 heavy broad axe.
 18677 | D:14     | 18677 ||| SWAPPING to +9 broad axe "Kosum" {antimagic,
                  | rC+}.
 18678 | D:14     | 18678 ||| SWAPPING to +6 heavy broad axe.
 18679 | D:14     | 18679 ||| SWAPPING to +9 broad axe "Kosum" {antimagic,
                  | rC+}.
 18680 | D:14     | 18680 ||| SWAPPING to +6 heavy broad axe.
 18681 | D:14     | 18681 ||| SWAPPING to +9 broad axe "Kosum" {antimagic,
                  | rC+}.
 18682 | D:14     | 18682 ||| SWAPPING to +6 heavy broad axe.
 18683 | D:14     | 18683 ||| SWAPPING to +9 broad axe "Kosum" {antimagic,
                  | rC+}.
 18684 | D:14     | 18684 ||| SWAPPING to +6 heavy broad axe.
 18685 | D:14     | 18685 ||| SWAPPING to +9 broad axe "Kosum" {antimagic,
                  | rC+}.
 18686 | D:14     | 18686 ||| SWAPPING to +6 heavy broad axe.
 18687 | D:14     | 18687 ||| SWAPPING to +9 broad axe "Kosum" {antimagic,
                  | rC+}.
 18688 | D:14     | 18688 ||| SWAPPING to +6 heavy broad axe.
 18689 | D:14     | 18689 ||| SWAPPING to +9 broad axe "Kosum" {antimagic,
                  | rC+}.
 18690 | D:14     | 18690 ||| SWAPPING to +6 heavy broad axe.
 18691 | D:14     | 18691 ||| SWAPPING to +9 broad axe "Kosum" {antimagic,
                  | rC+}.
 18692 | D:14     | 18692 ||| SWAPPING to +6 heavy broad axe.
 18693 | D:14     | 18693 ||| SWAPPING to +9 broad axe "Kosum" {antimagic,
                  | rC+}.
 18694 | D:14     | 18694 ||| SWAPPING to +6 heavy broad axe.
 18695 | D:14     | 18695 ||| SWAPPING to +9 broad axe "Kosum" {antimagic,
                  | rC+}.
 18696 | D:14     | 18696 ||| SWAPPING to +6 heavy broad axe.
 18697 | D:14     | 18697 ||| SWAPPING to +9 broad axe "Kosum" {antimagic,
                  | rC+}.
 18698 | D:14     | 18698 ||| SWAPPING to +6 heavy broad axe.
 18699 | D:14     | 18699 ||| SWAPPING to +9 broad axe "Kosum" {antimagic,
                  | rC+}.
 18700 | D:14     | 18700 ||| SWAPPING to +6 heavy broad axe.
 18701 | D:14     | 18701 ||| SWAPPING to +9 broad axe "Kosum" {antimagic,
                  | rC+}.
 18702 | D:14     | 18702 ||| SWAPPING to +6 heavy broad axe.
 18703 | D:14     | 18703 ||| SWAPPING to +9 broad axe "Kosum" {antimagic,
                  | rC+}.
 18704 | D:14     | 18704 ||| SWAPPING to +6 heavy broad axe.
 18705 | D:14     | 18705 ||| SWAPPING to +9 broad axe "Kosum" {antimagic,
                  | rC+}.
 18706 | D:14     | 18706 ||| SWAPPING to +6 heavy broad axe.
 18707 | D:14     | 18707 ||| SWAPPING to +9 broad axe "Kosum" {antimagic,
                  | rC+}.
 18708 | D:14     | 18708 ||| SWAPPING to +6 heavy broad axe.
 18709 | D:14     | 18709 ||| SWAPPING to +9 broad axe "Kosum" {antimagic,
                  | rC+}.
 18710 | D:14     | 18710 ||| SWAPPING to +6 heavy broad axe.
 18711 | D:14     | 18711 ||| SWAPPING to +9 broad axe "Kosum" {antimagic,
                  | rC+}.
 18712 | D:14     | 18712 ||| SWAPPING to +6 heavy broad axe.
 18713 | D:14     | 18713 ||| SWAPPING to +9 broad axe "Kosum" {antimagic,
                  | rC+}.
 18714 | D:14     | 18714 ||| SWAPPING to +6 heavy broad axe.
 18715 | D:14     | 18715 ||| SWAPPING to +9 broad axe "Kosum" {antimagic,
                  | rC+}.
 18716 | D:14     | 18716 ||| SWAPPING to +6 heavy broad axe.
 18717 | D:14     | 18717 ||| SWAPPING to +9 broad axe "Kosum" {antimagic,
                  | rC+}.
 18718 | D:14     | 18718 ||| SWAPPING to +6 heavy broad axe.
 18719 | D:14     | 18719 ||| SWAPPING to +9 broad axe "Kosum" {antimagic,
                  | rC+}.
 18720 | D:14     | 18720 ||| SWAPPING to +6 heavy broad axe.
 18721 | D:14     | 18721 ||| SWAPPING to +9 broad axe "Kosum" {antimagic,
                  | rC+}.
 18722 | D:14     | 18722 ||| SWAPPING to +6 heavy broad axe.
 18723 | D:14     | 18723 ||| SWAPPING to +9 broad axe "Kosum" {antimagic,
                  | rC+}.
 18724 | D:14     | 18724 ||| SWAPPING to +6 heavy broad axe.
 18725 | D:14     | 18725 ||| SWAPPING to +9 broad axe "Kosum" {antimagic,
                  | rC+}.
 18726 | D:14     | 18726 ||| SWAPPING to +6 heavy broad axe.
 18727 | D:14     | 18727 ||| SWAPPING to +9 broad axe "Kosum" {antimagic,
                  | rC+}.
 18728 | D:14     | 18728 ||| SWAPPING to +6 heavy broad axe.
 18729 | D:14     | 18729 ||| SWAPPING to +9 broad axe "Kosum" {antimagic,
                  | rC+}.
 18730 | D:14     | 18730 ||| SWAPPING to +6 heavy broad axe.
 18731 | D:14     | 18731 ||| SWAPPING to +9 broad axe "Kosum" {antimagic,
                  | rC+}.
 18732 | D:14     | 18732 ||| SWAPPING to +6 heavy broad axe.
 18733 | D:14     | 18733 ||| SWAPPING to +9 broad axe "Kosum" {antimagic,
                  | rC+}.
 18734 | D:14     | 18734 ||| SWAPPING to +6 heavy broad axe.
 18735 | D:14     | 18735 ||| SWAPPING to +9 broad axe "Kosum" {antimagic,
                  | rC+}.
 18736 | D:14     | 18736 ||| SWAPPING to +6 heavy broad axe.
 18737 | D:14     | 18737 ||| SWAPPING to +9 broad axe "Kosum" {antimagic,
                  | rC+}.
 18738 | D:14     | 18738 ||| SWAPPING to +6 heavy broad axe.
 18739 | D:14     | 18739 ||| SWAPPING to +9 broad axe "Kosum" {antimagic,
                  | rC+}.
 18740 | D:14     | 18740 ||| SWAPPING to +6 heavy broad axe.
 18741 | D:14     | 18741 ||| SWAPPING to +9 broad axe "Kosum" {antimagic,
                  | rC+}.
 18742 | D:14     | 18742 ||| SWAPPING to +6 heavy broad axe.
 18743 | D:14     | 18743 ||| SWAPPING to +9 broad axe "Kosum" {antimagic,
                  | rC+}.
 18744 | D:14     | 18744 ||| SWAPPING to +6 heavy broad axe.
 18745 | D:14     | 18745 ||| SWAPPING to +9 broad axe "Kosum" {antimagic,
                  | rC+}.
 18746 | D:14     | 18746 ||| SWAPPING to +6 heavy broad axe.
 18747 | D:14     | 18747 ||| SWAPPING to +9 broad axe "Kosum" {antimagic,
                  | rC+}.
 18748 | D:14     | 18748 ||| SWAPPING to +6 heavy broad axe.
 18749 | D:14     | 18749 ||| SWAPPING to +9 broad axe "Kosum" {antimagic,
                  | rC+}.
 18750 | D:14     | 18750 ||| SWAPPING to +6 heavy broad axe.
 18751 | D:14     | 18751 ||| SWAPPING to +9 broad axe "Kosum" {antimagic,
                  | rC+}.
 18752 | D:14     | 18752 ||| SWAPPING to +6 heavy broad axe.
 18753 | D:14     | 18753 ||| SWAPPING to +9 broad axe "Kosum" {antimagic,
                  | rC+}.
 18754 | D:14     | 18754 ||| SWAPPING to +6 heavy broad axe.
 18755 | D:14     | 18755 ||| SWAPPING to +9 broad axe "Kosum" {antimagic,
                  | rC+}.
 18756 | D:14     | 18756 ||| SWAPPING to +6 heavy broad axe.
 18757 | D:14     | 18757 ||| SWAPPING to +9 broad axe "Kosum" {antimagic,
                  | rC+}.
 18758 | D:14     | 18758 ||| SWAPPING to +6 heavy broad axe.
 18759 | D:14     | 18759 ||| SWAPPING to +9 broad axe "Kosum" {antimagic,
                  | rC+}.
 18760 | D:14     | 18760 ||| SWAPPING to +6 heavy broad axe.
 18761 | D:14     | 18761 ||| SWAPPING to +9 broad axe "Kosum" {antimagic,
                  | rC+}.
 18762 | D:14     | 18762 ||| SWAPPING to +6 heavy broad axe.
 18763 | D:14     | 18763 ||| SWAPPING to +9 broad axe "Kosum" {antimagic,
                  | rC+}.
 18764 | D:14     | 18764 ||| SWAPPING to +6 heavy broad axe.
 18765 | D:14     | 18765 ||| SWAPPING to +9 broad axe "Kosum" {antimagic,
                  | rC+}.
 18766 | D:14     | 18766 ||| SWAPPING to +6 heavy broad axe.
 18767 | D:14     | 18767 ||| SWAPPING to +9 broad axe "Kosum" {antimagic,
                  | rC+}.
 18768 | D:14     | 18768 ||| SWAPPING to +6 heavy broad axe.
 18769 | D:14     | 18769 ||| SWAPPING to +9 broad axe "Kosum" {antimagic,
                  | rC+}.
 18770 | D:14     | 18770 ||| SWAPPING to +6 heavy broad axe.
 18771 | D:14     | 18771 ||| SWAPPING to +9 broad axe "Kosum" {antimagic,
                  | rC+}.
 18772 | D:14     | 18772 ||| SWAPPING to +6 heavy broad axe.
 18773 | D:14     | 18773 ||| SWAPPING to +9 broad axe "Kosum" {antimagic,
                  | rC+}.
 18774 | D:14     | 18774 ||| SWAPPING to +6 heavy broad axe.
 18775 | D:14     | 18775 ||| SWAPPING to +9 broad axe "Kosum" {antimagic,
                  | rC+}.
 18776 | D:14     | 18776 ||| SWAPPING to +6 heavy broad axe.
 18777 | D:14     | 18777 ||| SWAPPING to +9 broad axe "Kosum" {antimagic,
                  | rC+}.
 18778 | D:14     | 18778 ||| SWAPPING to +6 heavy broad axe.
 18779 | D:14     | 18779 ||| SWAPPING to +9 broad axe "Kosum" {antimagic,
                  | rC+}.
 18780 | D:14     | 18780 ||| SWAPPING to +6 heavy broad axe.
 18781 | D:14     | 18781 ||| SWAPPING to +9 broad axe "Kosum" {antimagic,
                  | rC+}.
 18782 | D:14     | 18782 ||| SWAPPING to +6 heavy broad axe.
 18783 | D:14     | 18783 ||| SWAPPING to +9 broad axe "Kosum" {antimagic,
                  | rC+}.
 18784 | D:14     | 18784 ||| SWAPPING to +6 heavy broad axe.
 18785 | D:14     | 18785 ||| SWAPPING to +9 broad axe "Kosum" {antimagic,
                  | rC+}.
 18786 | D:14     | 18786 ||| SWAPPING to +6 heavy broad axe.
 18787 | D:14     | 18787 ||| SWAPPING to +9 broad axe "Kosum" {antimagic,
                  | rC+}.
 18788 | D:14     | 18788 ||| SWAPPING to +6 heavy broad axe.
 18789 | D:14     | 18789 ||| SWAPPING to +9 broad axe "Kosum" {antimagic,
                  | rC+}.
 18790 | D:14     | 18790 ||| SWAPPING to +6 heavy broad axe.
 18791 | D:14     | 18791 ||| SWAPPING to +9 broad axe "Kosum" {antimagic,
                  | rC+}.
 18792 | D:14     | 18792 ||| SWAPPING to +6 heavy broad axe.
 18793 | D:14     | 18793 ||| SWAPPING to +9 broad axe "Kosum" {antimagic,
                  | rC+}.
 18794 | D:14     | 18794 ||| SWAPPING to +6 heavy broad axe.
 18795 | D:14     | 18795 ||| SWAPPING to +9 broad axe "Kosum" {antimagic,
                  | rC+}.
 18796 | D:14     | 18796 ||| SWAPPING to +6 heavy broad axe.
 18797 | D:14     | 18797 ||| SWAPPING to +9 broad axe "Kosum" {antimagic,
                  | rC+}.
 18798 | D:14     | 18798 ||| SWAPPING to +6 heavy broad axe.
 18799 | D:14     | 18799 ||| SWAPPING to +9 broad axe "Kosum" {antimagic,
                  | rC+}.
 18800 | D:14     | 18800 ||| SWAPPING to +6 heavy broad axe.
 18801 | D:14     | 18801 ||| SWAPPING to +9 broad axe "Kosum" {antimagic,
                  | rC+}.
 18802 | D:14     | 18802 ||| SWAPPING to +6 heavy broad axe.
 18803 | D:14     | 18803 ||| SWAPPING to +9 broad axe "Kosum" {antimagic,
                  | rC+}.
 18804 | D:14     | 18804 ||| SWAPPING to +6 heavy broad axe.
 18805 | D:14     | 18805 ||| SWAPPING to +9 broad axe "Kosum" {antimagic,
                  | rC+}.
 18806 | D:14     | 18806 ||| SWAPPING to +6 heavy broad axe.
 18807 | D:14     | 18807 ||| SWAPPING to +9 broad axe "Kosum" {antimagic,
                  | rC+}.
 18808 | D:14     | 18808 ||| SWAPPING to +6 heavy broad axe.
 18809 | D:14     | 18809 ||| SWAPPING to +9 broad axe "Kosum" {antimagic,
                  | rC+}.
 18810 | D:14     | 18810 ||| SWAPPING to +6 heavy broad axe.
 18811 | D:14     | 18811 ||| SWAPPING to +9 broad axe "Kosum" {antimagic,
                  | rC+}.
 18812 | D:14     | 18812 ||| SWAPPING to +6 heavy broad axe.
 18813 | D:14     | 18813 ||| SWAPPING to +9 broad axe "Kosum" {antimagic,
                  | rC+}.
 18814 | D:14     | 18814 ||| SWAPPING to +6 heavy broad axe.
 18815 | D:14     | 18815 ||| SWAPPING to +9 broad axe "Kosum" {antimagic,
                  | rC+}.
 18816 | D:14     | 18816 ||| SWAPPING to +6 heavy broad axe.
 18817 | D:14     | 18817 ||| SWAPPING to +9 broad axe "Kosum" {antimagic,
                  | rC+}.
 18818 | D:14     | 18818 ||| SWAPPING to +6 heavy broad axe.
 18819 | D:14     | 18819 ||| SWAPPING to +9 broad axe "Kosum" {antimagic,
                  | rC+}.
 18820 | D:14     | 18820 ||| SWAPPING to +6 heavy broad axe.
 18821 | D:14     | 18821 ||| SWAPPING to +9 broad axe "Kosum" {antimagic,
                  | rC+}.
 18822 | D:14     | 18822 ||| SWAPPING to +6 heavy broad axe.
 18823 | D:14     | 18823 ||| SWAPPING to +9 broad axe "Kosum" {antimagic,
                  | rC+}.
 18824 | D:14     | 18824 ||| SWAPPING to +6 heavy broad axe.
 18825 | D:14     | 18825 ||| SWAPPING to +9 broad axe "Kosum" {antimagic,
                  | rC+}.
 18826 | D:14     | 18826 ||| SWAPPING to +6 heavy broad axe.
 18827 | D:14     | 18827 ||| SWAPPING to +9 broad axe "Kosum" {antimagic,
                  | rC+}.
 18828 | D:14     | 18828 ||| SWAPPING to +6 heavy broad axe.
 18829 | D:14     | 18829 ||| SWAPPING to +9 broad axe "Kosum" {antimagic,
                  | rC+}.
 18830 | D:14     | 18830 ||| SWAPPING to +6 heavy broad axe.
 18831 | D:14     | 18831 ||| SWAPPING to +9 broad axe "Kosum" {antimagic,
                  | rC+}.
 18832 | D:14     | 18832 ||| SWAPPING to +6 heavy broad axe.
 18833 | D:14     | 18833 ||| SWAPPING to +9 broad axe "Kosum" {antimagic,
                  | rC+}.
 18834 | D:14     | 18834 ||| SWAPPING to +6 heavy broad axe.
 18835 | D:14     | 18835 ||| SWAPPING to +9 broad axe "Kosum" {antimagic,
                  | rC+}.
 18836 | D:14     | 18836 ||| SWAPPING to +6 heavy broad axe.
 18837 | D:14     | 18837 ||| SWAPPING to +9 broad axe "Kosum" {antimagic,
                  | rC+}.
 18838 | D:14     | 18838 ||| SWAPPING to +6 heavy broad axe.
 18839 | D:14     | 18839 ||| SWAPPING to +9 broad axe "Kosum" {antimagic,
                  | rC+}.
 18840 | D:14     | 18840 ||| SWAPPING to +6 heavy broad axe.
 18841 | D:14     | 18841 ||| SWAPPING to +9 broad axe "Kosum" {antimagic,
                  | rC+}.
 18842 | D:14     | 18842 ||| SWAPPING to +6 heavy broad axe.
 18843 | D:14     | 18843 ||| SWAPPING to +9 broad axe "Kosum" {antimagic,
                  | rC+}.
 18844 | D:14     | 18844 ||| SWAPPING to +6 heavy broad axe.
 18845 | D:14     | 18845 ||| SWAPPING to +9 broad axe "Kosum" {antimagic,
                  | rC+}.
 18846 | D:14     | 18846 ||| SWAPPING to +6 heavy broad axe.
 18847 | D:14     | 18847 ||| SWAPPING to +9 broad axe "Kosum" {antimagic,
                  | rC+}.
 18848 | D:14     | 18848 ||| SWAPPING to +6 heavy broad axe.
 18849 | D:14     | 18849 ||| SWAPPING to +9 broad axe "Kosum" {antimagic,
                  | rC+}.
 18850 | D:14     | 18850 ||| SWAPPING to +6 heavy broad axe.
 18851 | D:14     | 18851 ||| SWAPPING to +9 broad axe "Kosum" {antimagic,
                  | rC+}.
 18852 | D:14     | 18852 ||| SWAPPING to +6 heavy broad axe.
 18853 | D:14     | 18853 ||| SWAPPING to +9 broad axe "Kosum" {antimagic,
                  | rC+}.
 18854 | D:14     | 18854 ||| SWAPPING to +6 heavy broad axe.
 18855 | D:14     | 18855 ||| SWAPPING to +9 broad axe "Kosum" {antimagic,
                  | rC+}.
 18856 | D:14     | 18856 ||| SWAPPING to +6 heavy broad axe.
 18857 | D:14     | 18857 ||| SWAPPING to +9 broad axe "Kosum" {antimagic,
                  | rC+}.
 18858 | D:14     | 18858 ||| SWAPPING to +6 heavy broad axe.
 18859 | D:14     | 18859 ||| SWAPPING to +9 broad axe "Kosum" {antimagic,
                  | rC+}.
 18860 | D:14     | 18860 ||| SWAPPING to +6 heavy broad axe.
 18861 | D:14     | 18861 ||| SWAPPING to +9 broad axe "Kosum" {antimagic,
                  | rC+}.
 18862 | D:14     | 18862 ||| SWAPPING to +6 heavy broad axe.
 18863 | D:14     | 18863 ||| SWAPPING to +9 broad axe "Kosum" {antimagic,
                  | rC+}.
 18864 | D:14     | 18864 ||| SWAPPING to +6 heavy broad axe.
 18865 | D:14     | 18865 ||| SWAPPING to +9 broad axe "Kosum" {antimagic,
                  | rC+}.
 18866 | D:14     | 18866 ||| SWAPPING to +6 heavy broad axe.
 18867 | D:14     | 18867 ||| SWAPPING to +9 broad axe "Kosum" {antimagic,
                  | rC+}.
 18868 | D:14     | 18868 ||| SWAPPING to +6 heavy broad axe.
 18869 | D:14     | 18869 ||| SWAPPING to +9 broad axe "Kosum" {antimagic,
                  | rC+}.
 18870 | D:14     | 18870 ||| SWAPPING to +6 heavy broad axe.
 18871 | D:14     | 18871 ||| SWAPPING to +9 broad axe "Kosum" {antimagic,
                  | rC+}.
 18872 | D:14     | 18872 ||| SWAPPING to +6 heavy broad axe.
 18873 | D:14     | 18873 ||| SWAPPING to +9 broad axe "Kosum" {antimagic,
                  | rC+}.
 18874 | D:14     | 18874 ||| SWAPPING to +6 heavy broad axe.
 18875 | D:14     | 18875 ||| SWAPPING to +9 broad axe "Kosum" {antimagic,
                  | rC+}.
 18876 | D:14     | 18876 ||| SWAPPING to +6 heavy broad axe.
 18877 | D:14     | 18877 ||| SWAPPING to +9 broad axe "Kosum" {antimagic,
                  | rC+}.
 18878 | D:14     | 18878 ||| SWAPPING to +6 heavy broad axe.
 18879 | D:14     | 18879 ||| SWAPPING to +9 broad axe "Kosum" {antimagic,
                  | rC+}.
 18880 | D:14     | 18880 ||| SWAPPING to +6 heavy broad axe.
 18881 | D:14     | 18881 ||| SWAPPING to +9 broad axe "Kosum" {antimagic,
                  | rC+}.
 18882 | D:14     | 18882 ||| SWAPPING to +6 heavy broad axe.
 18883 | D:14     | 18883 ||| SWAPPING to +9 broad axe "Kosum" {antimagic,
                  | rC+}.
 18884 | D:14     | 18884 ||| SWAPPING to +6 heavy broad axe.
 18885 | D:14     | 18885 ||| SWAPPING to +9 broad axe "Kosum" {antimagic,
                  | rC+}.
 18886 | D:14     | 18886 ||| SWAPPING to +6 heavy broad axe.
 18887 | D:14     | 18887 ||| SWAPPING to +9 broad axe "Kosum" {antimagic,
                  | rC+}.
 18888 | D:14     | 18888 ||| SWAPPING to +6 heavy broad axe.
 18889 | D:14     | 18889 ||| SWAPPING to +9 broad axe "Kosum" {antimagic,
                  | rC+}.
 18890 | D:14     | 18890 ||| SWAPPING to +6 heavy broad axe.
 18891 | D:14     | 18891 ||| SWAPPING to +9 broad axe "Kosum" {antimagic,
                  | rC+}.
 18892 | D:14     | 18892 ||| SWAPPING to +6 heavy broad axe.
 18893 | D:14     | 18893 ||| SWAPPING to +9 broad axe "Kosum" {antimagic,
                  | rC+}.
 18894 | D:14     | 18894 ||| SWAPPING to +6 heavy broad axe.
 18895 | D:14     | 18895 ||| SWAPPING to +9 broad axe "Kosum" {antimagic,
                  | rC+}.
 18896 | D:14     | 18896 ||| SWAPPING to +6 heavy broad axe.
 18897 | D:14     | 18897 ||| SWAPPING to +9 broad axe "Kosum" {antimagic,
                  | rC+}.
 18898 | D:14     | 18898 ||| SWAPPING to +6 heavy broad axe.
 18899 | D:14     | 18899 ||| SWAPPING to +9 broad axe "Kosum" {antimagic,
                  | rC+}.
 18900 | D:14     | 18900 ||| SWAPPING to +6 heavy broad axe.
 18901 | D:14     | 18901 ||| SWAPPING to +9 broad axe "Kosum" {antimagic,
                  | rC+}.
 18902 | D:14     | 18902 ||| SWAPPING to +6 heavy broad axe.
 18903 | D:14     | 18903 ||| SWAPPING to +9 broad axe "Kosum" {antimagic,
                  | rC+}.
 18904 | D:14     | 18904 ||| SWAPPING to +6 heavy broad axe.
 18905 | D:14     | 18905 ||| SWAPPING to +9 broad axe "Kosum" {antimagic,
                  | rC+}.
 18906 | D:14     | 18906 ||| SWAPPING to +6 heavy broad axe.
 18907 | D:14     | 18907 ||| SWAPPING to +9 broad axe "Kosum" {antimagic,
                  | rC+}.
 18908 | D:14     | 18908 ||| SWAPPING to +6 heavy broad axe.
 18909 | D:14     | 18909 ||| SWAPPING to +9 broad axe "Kosum" {antimagic,
                  | rC+}.
 18910 | D:14     | 18910 ||| SWAPPING to +6 heavy broad axe.
 18911 | D:14     | 18911 ||| SWAPPING to +9 broad axe "Kosum" {antimagic,
                  | rC+}.
 18912 | D:14     | 18912 ||| SWAPPING to +6 heavy broad axe.
 18913 | D:14     | 18913 ||| SWAPPING to +9 broad axe "Kosum" {antimagic,
                  | rC+}.
 18914 | D:14     | 18914 ||| SWAPPING to +6 heavy broad axe.
 18915 | D:14     | 18915 ||| SWAPPING to +9 broad axe "Kosum" {antimagic,
                  | rC+}.
 18916 | D:14     | 18916 ||| SWAPPING to +6 heavy broad axe.
 18917 | D:14     | 18917 ||| SWAPPING to +9 broad axe "Kosum" {antimagic,
                  | rC+}.
 18918 | D:14     | 18918 ||| SWAPPING to +6 heavy broad axe.
 18919 | D:14     | 18919 ||| SWAPPING to +9 broad axe "Kosum" {antimagic,
                  | rC+}.
 18920 | D:14     | 18920 ||| SWAPPING to +6 heavy broad axe.
 18921 | D:14     | 18921 ||| SWAPPING to +9 broad axe "Kosum" {antimagic,
                  | rC+}.
 18922 | D:14     | 18922 ||| SWAPPING to +6 heavy broad axe.
 18923 | D:14     | 18923 ||| SWAPPING to +9 broad axe "Kosum" {antimagic,
                  | rC+}.
 18924 | D:14     | 18924 ||| SWAPPING to +6 heavy broad axe.
 18925 | D:14     | 18925 ||| SWAPPING to +9 broad axe "Kosum" {antimagic,
                  | rC+}.
 18926 | D:14     | 18926 ||| SWAPPING to +6 heavy broad axe.
 18927 | D:14     | 18927 ||| SWAPPING to +9 broad axe "Kosum" {antimagic,
                  | rC+}.
 18928 | D:14     | 18928 ||| SWAPPING to +6 heavy broad axe.
 18929 | D:14     | 18929 ||| SWAPPING to +9 broad axe "Kosum" {antimagic,
                  | rC+}.
 18930 | D:14     | 18930 ||| SWAPPING to +6 heavy broad axe.
 18931 | D:14     | 18931 ||| SWAPPING to +9 broad axe "Kosum" {antimagic,
                  | rC+}.
 18932 | D:14     | 18932 ||| SWAPPING to +6 heavy broad axe.
 18933 | D:14     | 18933 ||| SWAPPING to +9 broad axe "Kosum" {antimagic,
                  | rC+}.
 18934 | D:14     | 18934 ||| SWAPPING to +6 heavy broad axe.
 18935 | D:14     | 18935 ||| SWAPPING to +9 broad axe "Kosum" {antimagic,
                  | rC+}.
 18936 | D:14     | 18936 ||| SWAPPING to +6 heavy broad axe.
 18937 | D:14     | 18937 ||| SWAPPING to +9 broad axe "Kosum" {antimagic,
                  | rC+}.
 18938 | D:14     | 18938 ||| SWAPPING to +6 heavy broad axe.
 18939 | D:14     | 18939 ||| SWAPPING to +9 broad axe "Kosum" {antimagic,
                  | rC+}.
 18940 | D:14     | 18940 ||| SWAPPING to +6 heavy broad axe.
 18941 | D:14     | 18941 ||| SWAPPING to +9 broad axe "Kosum" {antimagic,
                  | rC+}.
 18942 | D:14     | 18942 ||| SWAPPING to +6 heavy broad axe.
 18943 | D:14     | 18943 ||| SWAPPING to +9 broad axe "Kosum" {antimagic,
                  | rC+}.
 18944 | D:14     | 18944 ||| SWAPPING to +6 heavy broad axe.
 18945 | D:14     | 18945 ||| SWAPPING to +9 broad axe "Kosum" {antimagic,
                  | rC+}.
 18946 | D:14     | 18946 ||| SWAPPING to +6 heavy broad axe.
 18947 | D:14     | 18947 ||| SWAPPING to +9 broad axe "Kosum" {antimagic,
                  | rC+}.
 18948 | D:14     | 18948 ||| SWAPPING to +6 heavy broad axe.
 18949 | D:14     | 18949 ||| SWAPPING to +9 broad axe "Kosum" {antimagic,
                  | rC+}.
 18950 | D:14     | 18950 ||| SWAPPING to +6 heavy broad axe.
 18951 | D:14     | 18951 ||| SWAPPING to +9 broad axe "Kosum" {antimagic,
                  | rC+}.
 18952 | D:14     | 18952 ||| SWAPPING to +6 heavy broad axe.
 18953 | D:14     | 18953 ||| SWAPPING to +9 broad axe "Kosum" {antimagic,
                  | rC+}.
 18954 | D:14     | 18954 ||| SWAPPING to +6 heavy broad axe.
 18955 | D:14     | 18955 ||| SWAPPING to +9 broad axe "Kosum" {antimagic,
                  | rC+}.
 18956 | D:14     | 18956 ||| SWAPPING to +6 heavy broad axe.
 18957 | D:14     | 18957 ||| SWAPPING to +9 broad axe "Kosum" {antimagic,
                  | rC+}.
 18958 | D:14     | 18958 ||| SWAPPING to +6 heavy broad axe.
 18959 | D:14     | 18959 ||| SWAPPING to +9 broad axe "Kosum" {antimagic,
                  | rC+}.
 18960 | D:14     | 18960 ||| SWAPPING to +6 heavy broad axe.
 18961 | D:14     | 18961 ||| SWAPPING to +9 broad axe "Kosum" {antimagic,
                  | rC+}.
 18962 | D:14     | 18962 ||| SWAPPING to +6 heavy broad axe.
 18963 | D:14     | 18963 ||| SWAPPING to +9 broad axe "Kosum" {antimagic,
                  | rC+}.
 18964 | D:14     | 18964 ||| SWAPPING to +6 heavy broad axe.
 18965 | D:14     | 18965 ||| SWAPPING to +9 broad axe "Kosum" {antimagic,
                  | rC+}.
 18966 | D:14     | 18966 ||| SWAPPING to +6 heavy broad axe.
 18967 | D:14     | 18967 ||| SWAPPING to +9 broad axe "Kosum" {antimagic,
                  | rC+}.
 18968 | D:14     | 18968 ||| SWAPPING to +6 heavy broad axe.
 18969 | D:14     | 18969 ||| SWAPPING to +9 broad axe "Kosum" {antimagic,
                  | rC+}.
 18970 | D:14     | 18970 ||| SWAPPING to +6 heavy broad axe.
 18971 | D:14     | 18971 ||| SWAPPING to +9 broad axe "Kosum" {antimagic,
                  | rC+}.
 18972 | D:14     | 18972 ||| SWAPPING to +6 heavy broad axe.
 18973 | D:14     | 18973 ||| SWAPPING to +9 broad axe "Kosum" {antimagic,
                  | rC+}.
 18974 | D:14     | 18974 ||| SWAPPING to +6 heavy broad axe.
 18975 | D:14     | 18975 ||| SWAPPING to +9 broad axe "Kosum" {antimagic,
                  | rC+}.
 18976 | D:14     | 18976 ||| SWAPPING to +6 heavy broad axe.
 18977 | D:14     | 18977 ||| SWAPPING to +9 broad axe "Kosum" {antimagic,
                  | rC+}.
 18978 | D:14     | 18978 ||| SWAPPING to +6 heavy broad axe.
 18979 | D:14     | 18979 ||| SWAPPING to +9 broad axe "Kosum" {antimagic,
                  | rC+}.
 18980 | D:14     | 18980 ||| SWAPPING to +6 heavy broad axe.
 18981 | D:14     | 18981 ||| SWAPPING to +9 broad axe "Kosum" {antimagic,
                  | rC+}.
 18982 | D:14     | 18982 ||| SWAPPING to +6 heavy broad axe.
 18983 | D:14     | 18983 ||| SWAPPING to +9 broad axe "Kosum" {antimagic,
                  | rC+}.
 18984 | D:14     | 18984 ||| SWAPPING to +6 heavy broad axe.
 18985 | D:14     | 18985 ||| SWAPPING to +9 broad axe "Kosum" {antimagic,
                  | rC+}.
 18986 | D:14     | 18986 ||| SWAPPING to +6 heavy broad axe.
 18987 | D:14     | 18987 ||| SWAPPING to +9 broad axe "Kosum" {antimagic,
                  | rC+}.
 18988 | D:14     | 18988 ||| SWAPPING to +6 heavy broad axe.
 18989 | D:14     | 18989 ||| SWAPPING to +9 broad axe "Kosum" {antimagic,
                  | rC+}.
 18990 | D:14     | 18990 ||| SWAPPING to +6 heavy broad axe.
 18991 | D:14     | 18991 ||| SWAPPING to +9 broad axe "Kosum" {antimagic,
                  | rC+}.
 18992 | D:14     | 18992 ||| SWAPPING to +6 heavy broad axe.
 18993 | D:14     | 18993 ||| SWAPPING to +9 broad axe "Kosum" {antimagic,
                  | rC+}.
 18994 | D:14     | 18994 ||| SWAPPING to +6 heavy broad axe.
 18995 | D:14     | 18995 ||| SWAPPING to +9 broad axe "Kosum" {antimagic,
                  | rC+}.
 18996 | D:14     | 18996 ||| SWAPPING to +6 heavy broad axe.
 18997 | D:14     | 18997 ||| SWAPPING to +9 broad axe "Kosum" {antimagic,
                  | rC+}.
 18998 | D:14     | 18998 ||| SWAPPING to +6 heavy broad axe.
 18999 | D:14     | 18999 ||| SWAPPING to +9 broad axe "Kosum" {antimagic,
                  | rC+}.
 19000 | D:14     | 19000 ||| SWAPPING to +6 heavy broad axe.
 19001 | D:14     | 19001 ||| SWAPPING to +9 broad axe "Kosum" {antimagic,
                  | rC+}.
 19002 | D:14     | 19002 ||| SWAPPING to +6 heavy broad axe.
 19003 | D:14     | 19003 ||| SWAPPING to +9 broad axe "Kosum" {antimagic,
                  | rC+}.
 19004 | D:14     | 19004 ||| SWAPPING to +6 heavy broad axe.
 19005 | D:14     | 19005 ||| SWAPPING to +9 broad axe "Kosum" {antimagic,
                  | rC+}.
 19006 | D:14     | 19006 ||| SWAPPING to +6 heavy broad axe.
 19007 | D:14     | 19007 ||| SWAPPING to +9 broad axe "Kosum" {antimagic,
                  | rC+}.
 19008 | D:14     | 19008 ||| SWAPPING to +6 heavy broad axe.
 19009 | D:14     | 19009 ||| SWAPPING to +9 broad axe "Kosum" {antimagic,
                  | rC+}.
 19010 | D:14     | 19010 ||| SWAPPING to +6 heavy broad axe.
 19011 | D:14     | 19011 ||| SWAPPING to +9 broad axe "Kosum" {antimagic,
                  | rC+}.
 19012 | D:14     | 19012 ||| SWAPPING to +6 heavy broad axe.
 19013 | D:14     | 19013 ||| SWAPPING to +9 broad axe "Kosum" {antimagic,
                  | rC+}.
 19014 | D:14     | 19014 ||| SWAPPING to +6 heavy broad axe.
 19015 | D:14     | 19015 ||| SWAPPING to +9 broad axe "Kosum" {antimagic,
                  | rC+}.
 19016 | D:14     | 19016 ||| SWAPPING to +6 heavy broad axe.
 19017 | D:14     | 19017 ||| SWAPPING to +9 broad axe "Kosum" {antimagic,
                  | rC+}.
 19018 | D:14     | 19018 ||| SWAPPING to +6 heavy broad axe.
 19019 | D:14     | 19019 ||| SWAPPING to +9 broad axe "Kosum" {antimagic,
                  | rC+}.
 19020 | D:14     | 19020 ||| SWAPPING to +6 heavy broad axe.
 19021 | D:14     | 19021 ||| SWAPPING to +9 broad axe "Kosum" {antimagic,
                  | rC+}.
 19022 | D:14     | 19022 ||| SWAPPING to +6 heavy broad axe.
 19023 | D:14     | 19023 ||| SWAPPING to +9 broad axe "Kosum" {antimagic,
                  | rC+}.
 19024 | D:14     | 19024 ||| SWAPPING to +6 heavy broad axe.
 19025 | D:14     | 19025 ||| SWAPPING to +9 broad axe "Kosum" {antimagic,
                  | rC+}.
 19026 | D:14     | 19026 ||| SWAPPING to +6 heavy broad axe.
 19027 | D:14     | 19027 ||| SWAPPING to +9 broad axe "Kosum" {antimagic,
                  | rC+}.
 19028 | D:14     | 19028 ||| SWAPPING to +6 heavy broad axe.
 19029 | D:14     | 19029 ||| SWAPPING to +9 broad axe "Kosum" {antimagic,
                  | rC+}.
 19030 | D:14     | 19030 ||| SWAPPING to +6 heavy broad axe.
 19031 | D:14     | 19031 ||| SWAPPING to +9 broad axe "Kosum" {antimagic,
                  | rC+}.
 19032 | D:14     | 19032 ||| SWAPPING to +6 heavy broad axe.
 19033 | D:14     | 19033 ||| SWAPPING to +9 broad axe "Kosum" {antimagic,
                  | rC+}.
 19034 | D:14     | 19034 ||| SWAPPING to +6 heavy broad axe.
 19035 | D:14     | 19035 ||| SWAPPING to +9 broad axe "Kosum" {antimagic,
                  | rC+}.
 19036 | D:14     | 19036 ||| SWAPPING to +6 heavy broad axe.
 19037 | D:14     | 19037 ||| SWAPPING to +9 broad axe "Kosum" {antimagic,
                  | rC+}.
 19038 | D:14     | 19038 ||| SWAPPING to +6 heavy broad axe.
 19039 | D:14     | 19039 ||| SWAPPING to +9 broad axe "Kosum" {antimagic,
                  | rC+}.
 19040 | D:14     | 19040 ||| SWAPPING to +6 heavy broad axe.
 19041 | D:14     | 19041 ||| SWAPPING to +9 broad axe "Kosum" {antimagic,
                  | rC+}.
 19042 | D:14     | 19042 ||| SWAPPING to +6 heavy broad axe.
 19043 | D:14     | 19043 ||| SWAPPING to +9 broad axe "Kosum" {antimagic,
                  | rC+}.
 19044 | D:14     | 19044 ||| SWAPPING to +6 heavy broad axe.
 19045 | D:14     | 19045 ||| SWAPPING to +9 broad axe "Kosum" {antimagic,
                  | rC+}.
 19046 | D:14     | 19046 ||| SWAPPING to +6 heavy broad axe.
 19047 | D:14     | 19047 ||| SWAPPING to +9 broad axe "Kosum" {antimagic,
                  | rC+}.
 19048 | D:14     | 19048 ||| SWAPPING to +6 heavy broad axe.
 19049 | D:14     | 19049 ||| SWAPPING to +9 broad axe "Kosum" {antimagic,
                  | rC+}.
 19050 | D:14     | 19050 ||| SWAPPING to +6 heavy broad axe.
 19051 | D:14     | 19051 ||| SWAPPING to +9 broad axe "Kosum" {antimagic,
                  | rC+}.
 19052 | D:14     | 19052 ||| SWAPPING to +6 heavy broad axe.
 19053 | D:14     | 19053 ||| SWAPPING to +9 broad axe "Kosum" {antimagic,
                  | rC+}.
 19054 | D:14     | 19054 ||| SWAPPING to +6 heavy broad axe.
 19055 | D:14     | 19055 ||| SWAPPING to +9 broad axe "Kosum" {antimagic,
                  | rC+}.
 19056 | D:14     | 19056 ||| SWAPPING to +6 heavy broad axe.
 19057 | D:14     | 19057 ||| SWAPPING to +9 broad axe "Kosum" {antimagic,
                  | rC+}.
 19058 | D:14     | 19058 ||| SWAPPING to +6 heavy broad axe.
 19059 | D:14     | 19059 ||| SWAPPING to +9 broad axe "Kosum" {antimagic,
                  | rC+}.
 19060 | D:14     | 19060 ||| SWAPPING to +6 heavy broad axe.
 19061 | D:14     | 19061 ||| SWAPPING to +9 broad axe "Kosum" {antimagic,
                  | rC+}.
 19062 | D:14     | 19062 ||| SWAPPING to +6 heavy broad axe.
 19063 | D:14     | 19063 ||| SWAPPING to +9 broad axe "Kosum" {antimagic,
                  | rC+}.
 19064 | D:14     | 19064 ||| SWAPPING to +6 heavy broad axe.
 19065 | D:14     | 19065 ||| SWAPPING to +9 broad axe "Kosum" {antimagic,
                  | rC+}.
 19066 | D:14     | 19066 ||| SWAPPING to +6 heavy broad axe.
 19067 | D:14     | 19067 ||| SWAPPING to +9 broad axe "Kosum" {antimagic,
                  | rC+}.
 19068 | D:14     | 19068 ||| SWAPPING to +6 heavy broad axe.
 19069 | D:14     | 19069 ||| SWAPPING to +9 broad axe "Kosum" {antimagic,
                  | rC+}.
 19070 | D:14     | 19070 ||| SWAPPING to +6 heavy broad axe.
 19071 | D:14     | 19071 ||| SWAPPING to +9 broad axe "Kosum" {antimagic,
                  | rC+}.
 19072 | D:14     | 19072 ||| SWAPPING to +6 heavy broad axe.
 19073 | D:14     | 19073 ||| SWAPPING to +9 broad axe "Kosum" {antimagic,
                  | rC+}.
 19074 | D:14     | 19074 ||| SWAPPING to +6 heavy broad axe.
 19075 | D:14     | 19075 ||| SWAPPING to +9 broad axe "Kosum" {antimagic,
                  | rC+}.
 19076 | D:14     | 19076 ||| SWAPPING to +6 heavy broad axe.
 19077 | D:14     | 19077 ||| SWAPPING to +9 broad axe "Kosum" {antimagic,
                  | rC+}.
 19078 | D:14     | 19078 ||| SWAPPING to +6 heavy broad axe.
 19079 | D:14     | 19079 ||| SWAPPING to +9 broad axe "Kosum" {antimagic,
                  | rC+}.
 19080 | D:14     | 19080 ||| SWAPPING to +6 heavy broad axe.
 19081 | D:14     | 19081 ||| SWAPPING to +9 broad axe "Kosum" {antimagic,
                  | rC+}.
 19082 | D:14     | 19082 ||| SWAPPING to +6 heavy broad axe.
 19083 | D:14     | 19083 ||| SWAPPING to +9 broad axe "Kosum" {antimagic,
                  | rC+}.
 19084 | D:14     | 19084 ||| SWAPPING to +6 heavy broad axe.
 19085 | D:14     | 19085 ||| SWAPPING to +9 broad axe "Kosum" {antimagic,
                  | rC+}.
 19086 | D:14     | 19086 ||| SWAPPING to +6 heavy broad axe.
 19087 | D:14     | 19087 ||| SWAPPING to +9 broad axe "Kosum" {antimagic,
                  | rC+}.
 19088 | D:14     | 19088 ||| SWAPPING to +6 heavy broad axe.
 19089 | D:14     | 19089 ||| SWAPPING to +9 broad axe "Kosum" {antimagic,
                  | rC+}.
 19090 | D:14     | 19090 ||| SWAPPING to +6 heavy broad axe.
 19091 | D:14     | 19091 ||| SWAPPING to +9 broad axe "Kosum" {antimagic,
                  | rC+}.
 19092 | D:14     | 19092 ||| SWAPPING to +6 heavy broad axe.
 19093 | D:14     | 19093 ||| SWAPPING to +9 broad axe "Kosum" {antimagic,
                  | rC+}.
 19094 | D:14     | 19094 ||| SWAPPING to +6 heavy broad axe.
 19095 | D:14     | 19095 ||| SWAPPING to +9 broad axe "Kosum" {antimagic,
                  | rC+}.
 19096 | D:14     | 19096 ||| SWAPPING to +6 heavy broad axe.
 19097 | D:14     | 19097 ||| SWAPPING to +9 broad axe "Kosum" {antimagic,
                  | rC+}.
 19098 | D:14     | 19098 ||| SWAPPING to +6 heavy broad axe.
 19099 | D:14     | 19099 ||| SWAPPING to +9 broad axe "Kosum" {antimagic,
                  | rC+}.
 19100 | D:14     | 19100 ||| SWAPPING to +6 heavy broad axe.
 19101 | D:14     | 19101 ||| SWAPPING to +9 broad axe "Kosum" {antimagic,
                  | rC+}.
 19102 | D:14     | 19102 ||| SWAPPING to +6 heavy broad axe.
 19103 | D:14     | 19103 ||| SWAPPING to +9 broad axe "Kosum" {antimagic,
                  | rC+}.
 19104 | D:14     | 19104 ||| SWAPPING to +6 heavy broad axe.
 19105 | D:14     | 19105 ||| SWAPPING to +9 broad axe "Kosum" {antimagic,
                  | rC+}.
 19106 | D:14     | 19106 ||| SWAPPING to +6 heavy broad axe.
 19107 | D:14     | 19107 ||| SWAPPING to +9 broad axe "Kosum" {antimagic,
                  | rC+}.
 19108 | D:14     | 19108 ||| SWAPPING to +6 heavy broad axe.
 19109 | D:14     | 19109 ||| SWAPPING to +9 broad axe "Kosum" {antimagic,
                  | rC+}.
 19110 | D:14     | 19110 ||| SWAPPING to +6 heavy broad axe.
 19111 | D:14     | 19111 ||| SWAPPING to +9 broad axe "Kosum" {antimagic,
                  | rC+}.
 19112 | D:14     | 19112 ||| SWAPPING to +6 heavy broad axe.
 19113 | D:14     | 19113 ||| SWAPPING to +9 broad axe "Kosum" {antimagic,
                  | rC+}.
 19114 | D:14     | 19114 ||| SWAPPING to +6 heavy broad axe.
 19115 | D:14     | 19115 ||| SWAPPING to +9 broad axe "Kosum" {antimagic,
                  | rC+}.
 19116 | D:14     | 19116 ||| SWAPPING to +6 heavy broad axe.
 19117 | D:14     | 19117 ||| SWAPPING to +9 broad axe "Kosum" {antimagic,
                  | rC+}.
 19118 | D:14     | 19118 ||| SWAPPING to +6 heavy broad axe.
 19119 | D:14     | 19119 ||| SWAPPING to +9 broad axe "Kosum" {antimagic,
                  | rC+}.
 19120 | D:14     | 19120 ||| SWAPPING to +6 heavy broad axe.
 19121 | D:14     | 19121 ||| SWAPPING to +9 broad axe "Kosum" {antimagic,
                  | rC+}.
 19122 | D:14     | 19122 ||| SWAPPING to +6 heavy broad axe.
 19123 | D:14     | 19123 ||| SWAPPING to +9 broad axe "Kosum" {antimagic,
                  | rC+}.
 19124 | D:14     | 19124 ||| SWAPPING to +6 heavy broad axe.
 19125 | D:14     | 19125 ||| SWAPPING to +9 broad axe "Kosum" {antimagic,
                  | rC+}.
 19126 | D:14     | 19126 ||| SWAPPING to +6 heavy broad axe.
 19127 | D:14     | 19127 ||| SWAPPING to +9 broad axe "Kosum" {antimagic,
                  | rC+}.
 19128 | D:14     | 19128 ||| SWAPPING to +6 heavy broad axe.
 19129 | D:14     | 19129 ||| SWAPPING to +9 broad axe "Kosum" {antimagic,
                  | rC+}.
 19130 | D:14     | 19130 ||| SWAPPING to +6 heavy broad axe.
 19131 | D:14     | 19131 ||| SWAPPING to +9 broad axe "Kosum" {antimagic,
                  | rC+}.
 19132 | D:14     | 19132 ||| SWAPPING to +6 heavy broad axe.
 19133 | D:14     | 19133 ||| SWAPPING to +9 broad axe "Kosum" {antimagic,
                  | rC+}.
 19134 | D:14     | 19134 ||| SWAPPING to +6 heavy broad axe.
 19135 | D:14     | 19135 ||| SWAPPING to +9 broad axe "Kosum" {antimagic,
                  | rC+}.
 19136 | D:14     | 19136 ||| SWAPPING to +6 heavy broad axe.
 19137 | D:14     | 19137 ||| SWAPPING to +9 broad axe "Kosum" {antimagic,
                  | rC+}.
 19138 | D:14     | 19138 ||| SWAPPING to +6 heavy broad axe.
 19139 | D:14     | 19139 ||| SWAPPING to +9 broad axe "Kosum" {antimagic,
                  | rC+}.
 19140 | D:14     | 19140 ||| SWAPPING to +6 heavy broad axe.
 19141 | D:14     | 19141 ||| SWAPPING to +9 broad axe "Kosum" {antimagic,
                  | rC+}.
 19142 | D:14     | 19142 ||| SWAPPING to +6 heavy broad axe.
 19143 | D:14     | 19143 ||| SWAPPING to +9 broad axe "Kosum" {antimagic,
                  | rC+}.
 19144 | D:14     | 19144 ||| SWAPPING to +6 heavy broad axe.
 19145 | D:14     | 19145 ||| SWAPPING to +9 broad axe "Kosum" {antimagic,
                  | rC+}.
 19146 | D:14     | 19146 ||| SWAPPING to +6 heavy broad axe.
 19147 | D:14     | 19147 ||| SWAPPING to +9 broad axe "Kosum" {antimagic,
                  | rC+}.
 19148 | D:14     | 19148 ||| SWAPPING to +6 heavy broad axe.
 19149 | D:14     | 19149 ||| SWAPPING to +9 broad axe "Kosum" {antimagic,
                  | rC+}.
 19150 | D:14     | 19150 ||| SWAPPING to +6 heavy broad axe.
 19151 | D:14     | 19151 ||| SWAPPING to +9 broad axe "Kosum" {antimagic,
                  | rC+}.
 19152 | D:14     | 19152 ||| SWAPPING to +6 heavy broad axe.
 19153 | D:14     | 19153 ||| SWAPPING to +9 broad axe "Kosum" {antimagic,
                  | rC+}.
 19154 | D:14     | 19154 ||| SWAPPING to +6 heavy broad axe.
 19155 | D:14     | 19155 ||| SWAPPING to +9 broad axe "Kosum" {antimagic,
                  | rC+}.
 19156 | D:14     | 19156 ||| SWAPPING to +6 heavy broad axe.
 19157 | D:14     | 19157 ||| SWAPPING to +9 broad axe "Kosum" {antimagic,
                  | rC+}.
 19158 | D:14     | 19158 ||| SWAPPING to +6 heavy broad axe.
 19159 | D:14     | 19159 ||| SWAPPING to +9 broad axe "Kosum" {antimagic,
                  | rC+}.
 19160 | D:14     | 19160 ||| SWAPPING to +6 heavy broad axe.
 19161 | D:14     | 19161 ||| SWAPPING to +9 broad axe "Kosum" {antimagic,
                  | rC+}.
 19162 | D:14     | 19162 ||| SWAPPING to +6 heavy broad axe.
 19163 | D:14     | 19163 ||| SWAPPING to +9 broad axe "Kosum" {antimagic,
                  | rC+}.
 19164 | D:14     | 19164 ||| SWAPPING to +6 heavy broad axe.
 19165 | D:14     | 19165 ||| SWAPPING to +9 broad axe "Kosum" {antimagic,
                  | rC+}.
 19166 | D:14     | 19166 ||| SWAPPING to +6 heavy broad axe.
 19167 | D:14     | 19167 ||| SWAPPING to +9 broad axe "Kosum" {antimagic,
                  | rC+}.
 19168 | D:14     | 19168 ||| SWAPPING to +6 heavy broad axe.
 19169 | D:14     | 19169 ||| SWAPPING to +9 broad axe "Kosum" {antimagic,
                  | rC+}.
 19170 | D:14     | 19170 ||| SWAPPING to +6 heavy broad axe.
 19171 | D:14     | 19171 ||| SWAPPING to +9 broad axe "Kosum" {antimagic,
                  | rC+}.
 19172 | D:14     | 19172 ||| SWAPPING to +6 heavy broad axe.
 19173 | D:14     | 19173 ||| SWAPPING to +9 broad axe "Kosum" {antimagic,
                  | rC+}.
 19174 | D:14     | 19174 ||| SWAPPING to +6 heavy broad axe.
 19175 | D:14     | 19175 ||| SWAPPING to +9 broad axe "Kosum" {antimagic,
                  | rC+}.
 19176 | D:14     | 19176 ||| SWAPPING to +6 heavy broad axe.
 19177 | D:14     | 19177 ||| SWAPPING to +9 broad axe "Kosum" {antimagic,
                  | rC+}.
 19178 | D:14     | 19178 ||| SWAPPING to +6 heavy broad axe.
 19179 | D:14     | 19179 ||| SWAPPING to +9 broad axe "Kosum" {antimagic,
                  | rC+}.
 19180 | D:14     | 19180 ||| SWAPPING to +6 heavy broad axe.
 19181 | D:14     | 19181 ||| SWAPPING to +9 broad axe "Kosum" {antimagic,
                  | rC+}.
 19182 | D:14     | 19182 ||| SWAPPING to +6 heavy broad axe.
 19183 | D:14     | 19183 ||| SWAPPING to +9 broad axe "Kosum" {antimagic,
                  | rC+}.
 19184 | D:14     | 19184 ||| SWAPPING to +6 heavy broad axe.
 19185 | D:14     | 19185 ||| SWAPPING to +9 broad axe "Kosum" {antimagic,
                  | rC+}.
 19186 | D:14     | 19186 ||| SWAPPING to +6 heavy broad axe.
 19187 | D:14     | 19187 ||| SWAPPING to +9 broad axe "Kosum" {antimagic,
                  | rC+}.
 19188 | D:14     | 19188 ||| SWAPPING to +6 heavy broad axe.
 19189 | D:14     | 19189 ||| SWAPPING to +9 broad axe "Kosum" {antimagic,
                  | rC+}.
 19190 | D:14     | 19190 ||| SWAPPING to +6 heavy broad axe.
 19191 | D:14     | 19191 ||| SWAPPING to +9 broad axe "Kosum" {antimagic,
                  | rC+}.
 19192 | D:14     | 19192 ||| SWAPPING to +6 heavy broad axe.
 19193 | D:14     | 19193 ||| SWAPPING to +9 broad axe "Kosum" {antimagic,
                  | rC+}.
 19194 | D:14     | 19194 ||| SWAPPING to +6 heavy broad axe.
 19195 | D:14     | 19195 ||| SWAPPING to +9 broad axe "Kosum" {antimagic,
                  | rC+}.
 19196 | D:14     | 19196 ||| SWAPPING to +6 heavy broad axe.
 19197 | D:14     | 19197 ||| SWAPPING to +9 broad axe "Kosum" {antimagic,
                  | rC+}.
 19198 | D:14     | 19198 ||| SWAPPING to +6 heavy broad axe.
 19199 | D:14     | 19199 ||| SWAPPING to +9 broad axe "Kosum" {antimagic,
                  | rC+}.
 19200 | D:14     | 19200 ||| SWAPPING to +6 heavy broad axe.
 19201 | D:14     | 19201 ||| SWAPPING to +9 broad axe "Kosum" {antimagic,
                  | rC+}.
 19202 | D:14     | 19202 ||| SWAPPING to +6 heavy broad axe.
 19203 | D:14     | 19203 ||| SWAPPING to +9 broad axe "Kosum" {antimagic,
                  | rC+}.
 19204 | D:14     | 19204 ||| SWAPPING to +6 heavy broad axe.
 19205 | D:14     | 19205 ||| SWAPPING to +9 broad axe "Kosum" {antimagic,
                  | rC+}.
 19206 | D:14     | 19206 ||| SWAPPING to +6 heavy broad axe.
 19207 | D:14     | 19207 ||| SWAPPING to +9 broad axe "Kosum" {antimagic,
                  | rC+}.
 19208 | D:14     | 19208 ||| SWAPPING to +6 heavy broad axe.
 19209 | D:14     | 19209 ||| SWAPPING to +9 broad axe "Kosum" {antimagic,
                  | rC+}.
 19210 | D:14     | 19210 ||| SWAPPING to +6 heavy broad axe.
 19211 | D:14     | 19211 ||| SWAPPING to +9 broad axe "Kosum" {antimagic,
                  | rC+}.
 19212 | D:14     | 19212 ||| SWAPPING to +6 heavy broad axe.
 19213 | D:14     | 19213 ||| SWAPPING to +9 broad axe "Kosum" {antimagic,
                  | rC+}.
 19214 | D:14     | 19214 ||| SWAPPING to +6 heavy broad axe.
 19215 | D:14     | 19215 ||| SWAPPING to +9 broad axe "Kosum" {antimagic,
                  | rC+}.
 19216 | D:14     | 19216 ||| SWAPPING to +6 heavy broad axe.
 19217 | D:14     | 19217 ||| SWAPPING to +9 broad axe "Kosum" {antimagic,
                  | rC+}.
 19218 | D:14     | 19218 ||| SWAPPING to +6 heavy broad axe.
 19219 | D:14     | 19219 ||| SWAPPING to +9 broad axe "Kosum" {antimagic,
                  | rC+}.
 19220 | D:14     | 19220 ||| SWAPPING to +6 heavy broad axe.
 19221 | D:14     | 19221 ||| SWAPPING to +9 broad axe "Kosum" {antimagic,
                  | rC+}.
 19222 | D:14     | 19222 ||| SWAPPING to +6 heavy broad axe.
 19223 | D:14     | 19223 ||| SWAPPING to +9 broad axe "Kosum" {antimagic,
                  | rC+}.
 19224 | D:14     | 19224 ||| SWAPPING to +6 heavy broad axe.
 19225 | D:14     | 19225 ||| SWAPPING to +9 broad axe "Kosum" {antimagic,
                  | rC+}.
 19226 | D:14     | 19226 ||| SWAPPING to +6 heavy broad axe.
 19227 | D:14     | 19227 ||| SWAPPING to +9 broad axe "Kosum" {antimagic,
                  | rC+}.
 19228 | D:14     | 19228 ||| SWAPPING to +6 heavy broad axe.
 19229 | D:14     | 19229 ||| SWAPPING to +9 broad axe "Kosum" {antimagic,
                  | rC+}.
 19230 | D:14     | 19230 ||| SWAPPING to +6 heavy broad axe.
 19231 | D:14     | 19231 ||| SWAPPING to +9 broad axe "Kosum" {antimagic,
                  | rC+}.
 19232 | D:14     | 19232 ||| SWAPPING to +6 heavy broad axe.
 19233 | D:14     | 19233 ||| SWAPPING to +9 broad axe "Kosum" {antimagic,
                  | rC+}.
 19234 | D:14     | 19234 ||| SWAPPING to +6 heavy broad axe.
 19235 | D:14     | 19235 ||| SWAPPING to +9 broad axe "Kosum" {antimagic,
                  | rC+}.
 19236 | D:14     | 19236 ||| SWAPPING to +6 heavy broad axe.
 19237 | D:14     | 19237 ||| SWAPPING to +9 broad axe "Kosum" {antimagic,
                  | rC+}.
 19238 | D:14     | 19238 ||| SWAPPING to +6 heavy broad axe.
 19239 | D:14     | 19239 ||| SWAPPING to +9 broad axe "Kosum" {antimagic,
                  | rC+}.
 19240 | D:14     | 19240 ||| SWAPPING to +6 heavy broad axe.
 19241 | D:14     | 19241 ||| SWAPPING to +9 broad axe "Kosum" {antimagic,
                  | rC+}.
 19242 | D:14     | 19242 ||| SWAPPING to +6 heavy broad axe.
 19243 | D:14     | 19243 ||| SWAPPING to +9 broad axe "Kosum" {antimagic,
                  | rC+}.
 19244 | D:14     | 19244 ||| SWAPPING to +6 heavy broad axe.
 19245 | D:14     | 19245 ||| SWAPPING to +9 broad axe "Kosum" {antimagic,
                  | rC+}.
 19246 | D:14     | 19246 ||| SWAPPING to +6 heavy broad axe.
 19247 | D:14     | 19247 ||| SWAPPING to +9 broad axe "Kosum" {antimagic,
                  | rC+}.
 19248 | D:14     | 19248 ||| SWAPPING to +6 heavy broad axe.
 19249 | D:14     | 19249 ||| SWAPPING to +9 broad axe "Kosum" {antimagic,
                  | rC+}.
 19250 | D:14     | 19250 ||| SWAPPING to +6 heavy broad axe.
 19251 | D:14     | 19251 ||| SWAPPING to +9 broad axe "Kosum" {antimagic,
                  | rC+}.
 19252 | D:14     | 19252 ||| SWAPPING to +6 heavy broad axe.
 19253 | D:14     | 19253 ||| SWAPPING to +9 broad axe "Kosum" {antimagic,
                  | rC+}.
 19254 | D:14     | 19254 ||| SWAPPING to +6 heavy broad axe.
 19255 | D:14     | 19255 ||| SWAPPING to +9 broad axe "Kosum" {antimagic,
                  | rC+}.
 19256 | D:14     | 19256 ||| SWAPPING to +6 heavy broad axe.
 19257 | D:14     | 19257 ||| SWAPPING to +9 broad axe "Kosum" {antimagic,
                  | rC+}.
 19258 | D:14     | 19258 ||| SWAPPING to +6 heavy broad axe.
 19259 | D:14     | 19259 ||| SWAPPING to +9 broad axe "Kosum" {antimagic,
                  | rC+}.
 19260 | D:14     | 19260 ||| SWAPPING to +6 heavy broad axe.
 19261 | D:14     | 19261 ||| SWAPPING to +9 broad axe "Kosum" {antimagic,
                  | rC+}.
 19262 | D:14     | 19262 ||| SWAPPING to +6 heavy broad axe.
 19263 | D:14     | 19263 ||| SWAPPING to +9 broad axe "Kosum" {antimagic,
                  | rC+}.
 19264 | D:14     | 19264 ||| SWAPPING to +6 heavy broad axe.
 19265 | D:14     | 19265 ||| SWAPPING to +9 broad axe "Kosum" {antimagic,
                  | rC+}.
 19266 | D:14     | 19266 ||| SWAPPING to +6 heavy broad axe.
 19267 | D:14     | 19267 ||| SWAPPING to +9 broad axe "Kosum" {antimagic,
                  | rC+}.
 19268 | D:14     | 19268 ||| SWAPPING to +6 heavy broad axe.
 19269 | D:14     | 19269 ||| SWAPPING to +9 broad axe "Kosum" {antimagic,
                  | rC+}.
 19270 | D:14     | 19270 ||| SWAPPING to +6 heavy broad axe.
 19271 | D:14     | 19271 ||| SWAPPING to +9 broad axe "Kosum" {antimagic,
                  | rC+}.
 19272 | D:14     | 19272 ||| SWAPPING to +6 heavy broad axe.
 19273 | D:14     | 19273 ||| SWAPPING to +9 broad axe "Kosum" {antimagic,
                  | rC+}.
 19274 | D:14     | 19274 ||| SWAPPING to +6 heavy broad axe.
 19275 | D:14     | 19275 ||| SWAPPING to +9 broad axe "Kosum" {antimagic,
                  | rC+}.
 19276 | D:14     | 19276 ||| SWAPPING to +6 heavy broad axe.
 19277 | D:14     | 19277 ||| SWAPPING to +9 broad axe "Kosum" {antimagic,
                  | rC+}.
 19278 | D:14     | 19278 ||| SWAPPING to +6 heavy broad axe.
 19279 | D:14     | 19279 ||| SWAPPING to +9 broad axe "Kosum" {antimagic,
                  | rC+}.
 19280 | D:14     | 19280 ||| SWAPPING to +6 heavy broad axe.
 19281 | D:14     | 19281 ||| SWAPPING to +9 broad axe "Kosum" {antimagic,
                  | rC+}.
 19282 | D:14     | 19282 ||| SWAPPING to +6 heavy broad axe.
 19283 | D:14     | 19283 ||| SWAPPING to +9 broad axe "Kosum" {antimagic,
                  | rC+}.
 19284 | D:14     | 19284 ||| SWAPPING to +6 heavy broad axe.
 19285 | D:14     | 19285 ||| SWAPPING to +9 broad axe "Kosum" {antimagic,
                  | rC+}.
 19286 | D:14     | 19286 ||| SWAPPING to +6 heavy broad axe.
 19287 | D:14     | 19287 ||| SWAPPING to +9 broad axe "Kosum" {antimagic,
                  | rC+}.
 19288 | D:14     | 19288 ||| SWAPPING to +6 heavy broad axe.
 19289 | D:14     | 19289 ||| SWAPPING to +9 broad axe "Kosum" {antimagic,
                  | rC+}.
 19290 | D:14     | 19290 ||| SWAPPING to +6 heavy broad axe.
 19291 | D:14     | 19291 ||| SWAPPING to +9 broad axe "Kosum" {antimagic,
                  | rC+}.
 19292 | D:14     | 19292 ||| SWAPPING to +6 heavy broad axe.
 19293 | D:14     | 19293 ||| SWAPPING to +9 broad axe "Kosum" {antimagic,
                  | rC+}.
 19294 | D:14     | 19294 ||| SWAPPING to +6 heavy broad axe.
 19295 | D:14     | 19295 ||| SWAPPING to +9 broad axe "Kosum" {antimagic,
                  | rC+}.
 19296 | D:14     | 19296 ||| SWAPPING to +6 heavy broad axe.
 19297 | D:14     | 19297 ||| SWAPPING to +9 broad axe "Kosum" {antimagic,
                  | rC+}.
 19298 | D:14     | 19298 ||| SWAPPING to +6 heavy broad axe.
 19299 | D:14     | 19299 ||| SWAPPING to +9 broad axe "Kosum" {antimagic,
                  | rC+}.
 19300 | D:14     | 19300 ||| SWAPPING to +6 heavy broad axe.
 19301 | D:14     | 19301 ||| SWAPPING to +9 broad axe "Kosum" {antimagic,
                  | rC+}.
 19302 | D:14     | 19302 ||| SWAPPING to +6 heavy broad axe.
 19303 | D:14     | 19303 ||| SWAPPING to +9 broad axe "Kosum" {antimagic,
                  | rC+}.
 19304 | D:14     | 19304 ||| SWAPPING to +6 heavy broad axe.
 19305 | D:14     | 19305 ||| SWAPPING to +9 broad axe "Kosum" {antimagic,
                  | rC+}.
 19306 | D:14     | 19306 ||| SWAPPING to +6 heavy broad axe.
 19307 | D:14     | 19307 ||| SWAPPING to +9 broad axe "Kosum" {antimagic,
                  | rC+}.
 19308 | D:14     | 19308 ||| SWAPPING to +6 heavy broad axe.
 19309 | D:14     | 19309 ||| SWAPPING to +9 broad axe "Kosum" {antimagic,
                  | rC+}.
 19310 | D:14     | 19310 ||| SWAPPING to +6 heavy broad axe.
 19311 | D:14     | 19311 ||| SWAPPING to +9 broad axe "Kosum" {antimagic,
                  | rC+}.
 19312 | D:14     | 19312 ||| SWAPPING to +6 heavy broad axe.
 19313 | D:14     | 19313 ||| SWAPPING to +9 broad axe "Kosum" {antimagic,
                  | rC+}.
 19314 | D:14     | 19314 ||| SWAPPING to +6 heavy broad axe.
 19315 | D:14     | 19315 ||| SWAPPING to +9 broad axe "Kosum" {antimagic,
                  | rC+}.
 19316 | D:14     | 19316 ||| SWAPPING to +6 heavy broad axe.
 19317 | D:14     | 19317 ||| SWAPPING to +9 broad axe "Kosum" {antimagic,
                  | rC+}.
 19318 | D:14     | 19318 ||| SWAPPING to +6 heavy broad axe.
 19319 | D:14     | 19319 ||| SWAPPING to +9 broad axe "Kosum" {antimagic,
                  | rC+}.
 19320 | D:14     | 19320 ||| SWAPPING to +6 heavy broad axe.
 19321 | D:14     | 19321 ||| SWAPPING to +9 broad axe "Kosum" {antimagic,
                  | rC+}.
 19322 | D:14     | 19322 ||| SWAPPING to +6 heavy broad axe.
 19323 | D:14     | 19323 ||| SWAPPING to +9 broad axe "Kosum" {antimagic,
                  | rC+}.
 19324 | D:14     | 19324 ||| SWAPPING to +6 heavy broad axe.
 19325 | D:14     | 19325 ||| SWAPPING to +9 broad axe "Kosum" {antimagic,
                  | rC+}.
 19326 | D:14     | 19326 ||| SWAPPING to +6 heavy broad axe.
 19327 | D:14     | 19327 ||| SWAPPING to +9 broad axe "Kosum" {antimagic,
                  | rC+}.
 19328 | D:14     | 19328 ||| SWAPPING to +6 heavy broad axe.
 19329 | D:14     | 19329 ||| SWAPPING to +9 broad axe "Kosum" {antimagic,
                  | rC+}.
 19330 | D:14     | 19330 ||| SWAPPING to +6 heavy broad axe.
 19331 | D:14     | 19331 ||| SWAPPING to +9 broad axe "Kosum" {antimagic,
                  | rC+}.
 19332 | D:14     | 19332 ||| SWAPPING to +6 heavy broad axe.
 19333 | D:14     | 19333 ||| SWAPPING to +9 broad axe "Kosum" {antimagic,
                  | rC+}.
 19334 | D:14     | 19334 ||| SWAPPING to +6 heavy broad axe.
 19335 | D:14     | 19335 ||| SWAPPING to +9 broad axe "Kosum" {antimagic,
                  | rC+}.
 19336 | D:14     | 19336 ||| SWAPPING to +6 heavy broad axe.
 19337 | D:14     | 19337 ||| SWAPPING to +9 broad axe "Kosum" {antimagic,
                  | rC+}.
 19338 | D:14     | 19338 ||| SWAPPING to +6 heavy broad axe.
 19339 | D:14     | 19339 ||| SWAPPING to +9 broad axe "Kosum" {antimagic,
                  | rC+}.
 19340 | D:14     | 19340 ||| SWAPPING to +6 heavy broad axe.
 19341 | D:14     | 19341 ||| SWAPPING to +9 broad axe "Kosum" {antimagic,
                  | rC+}.
 19342 | D:14     | 19342 ||| SWAPPING to +6 heavy broad axe.
 19343 | D:14     | 19343 ||| SWAPPING to +9 broad axe "Kosum" {antimagic,
                  | rC+}.
 19344 | D:14     | 19344 ||| SWAPPING to +6 heavy broad axe.
 19345 | D:14     | 19345 ||| SWAPPING to +9 broad axe "Kosum" {antimagic,
                  | rC+}.
 19346 | D:14     | 19346 ||| SWAPPING to +6 heavy broad axe.
 19347 | D:14     | 19347 ||| SWAPPING to +9 broad axe "Kosum" {antimagic,
                  | rC+}.
 19348 | D:14     | 19348 ||| SWAPPING to +6 heavy broad axe.
 19349 | D:14     | 19349 ||| SWAPPING to +9 broad axe "Kosum" {antimagic,
                  | rC+}.
 19350 | D:14     | 19350 ||| SWAPPING to +6 heavy broad axe.
 19351 | D:14     | 19351 ||| SWAPPING to +9 broad axe "Kosum" {antimagic,
                  | rC+}.
 19352 | D:14     | 19352 ||| SWAPPING to +6 heavy broad axe.
 19353 | D:14     | 19353 ||| SWAPPING to +9 broad axe "Kosum" {antimagic,
                  | rC+}.
 19354 | D:14     | 19354 ||| SWAPPING to +6 heavy broad axe.
 19355 | D:14     | 19355 ||| SWAPPING to +9 broad axe "Kosum" {antimagic,
                  | rC+}.
 19356 | D:14     | 19356 ||| SWAPPING to +6 heavy broad axe.
 19357 | D:14     | 19357 ||| SWAPPING to +9 broad axe "Kosum" {antimagic,
                  | rC+}.
 19358 | D:14     | 19358 ||| SWAPPING to +6 heavy broad axe.
 19359 | D:14     | 19359 ||| SWAPPING to +9 broad axe "Kosum" {antimagic,
                  | rC+}.
 19360 | D:14     | 19360 ||| SWAPPING to +6 heavy broad axe.
 19361 | D:14     | 19361 ||| SWAPPING to +9 broad axe "Kosum" {antimagic,
                  | rC+}.
 19362 | D:14     | 19362 ||| SWAPPING to +6 heavy broad axe.
 19363 | D:14     | 19363 ||| SWAPPING to +9 broad axe "Kosum" {antimagic,
                  | rC+}.
 19364 | D:14     | 19364 ||| SWAPPING to +6 heavy broad axe.
 19365 | D:14     | 19365 ||| SWAPPING to +9 broad axe "Kosum" {antimagic,
                  | rC+}.
 19366 | D:14     | 19366 ||| SWAPPING to +6 heavy broad axe.
 19367 | D:14     | 19367 ||| SWAPPING to +9 broad axe "Kosum" {antimagic,
                  | rC+}.
 19368 | D:14     | 19368 ||| SWAPPING to +6 heavy broad axe.
 19369 | D:14     | 19369 ||| SWAPPING to +9 broad axe "Kosum" {antimagic,
                  | rC+}.
 19370 | D:14     | 19370 ||| SWAPPING to +6 heavy broad axe.
 19371 | D:14     | 19371 ||| SWAPPING to +9 broad axe "Kosum" {antimagic,
                  | rC+}.
 19372 | D:14     | 19372 ||| SWAPPING to +6 heavy broad axe.
 19373 | D:14     | 19373 ||| SWAPPING to +9 broad axe "Kosum" {antimagic,
                  | rC+}.
 19374 | D:14     | 19374 ||| SWAPPING to +6 heavy broad axe.
 19375 | D:14     | 19375 ||| SWAPPING to +9 broad axe "Kosum" {antimagic,
                  | rC+}.
 19376 | D:14     | 19376 ||| SWAPPING to +6 heavy broad axe.
 19377 | D:14     | 19377 ||| SWAPPING to +9 broad axe "Kosum" {antimagic,
                  | rC+}.
 19378 | D:14     | 19378 ||| SWAPPING to +6 heavy broad axe.
 19379 | D:14     | 19379 ||| SWAPPING to +9 broad axe "Kosum" {antimagic,
                  | rC+}.
 19380 | D:14     | 19380 ||| SWAPPING to +6 heavy broad axe.
 19381 | D:14     | 19381 ||| SWAPPING to +9 broad axe "Kosum" {antimagic,
                  | rC+}.
 19382 | D:14     | 19382 ||| SWAPPING to +6 heavy broad axe.
 19383 | D:14     | 19383 ||| SWAPPING to +9 broad axe "Kosum" {antimagic,
                  | rC+}.
 19384 | D:14     | 19384 ||| SWAPPING to +6 heavy broad axe.
 19385 | D:14     | 19385 ||| SWAPPING to +9 broad axe "Kosum" {antimagic,
                  | rC+}.
 19386 | D:14     | 19386 ||| SWAPPING to +6 heavy broad axe.
 19387 | D:14     | 19387 ||| SWAPPING to +9 broad axe "Kosum" {antimagic,
                  | rC+}.
 19388 | D:14     | 19388 ||| SWAPPING to +6 heavy broad axe.
 19389 | D:14     | 19389 ||| SWAPPING to +9 broad axe "Kosum" {antimagic,
                  | rC+}.
 19390 | D:14     | 19390 ||| SWAPPING to +6 heavy broad axe.
 19391 | D:14     | 19391 ||| SWAPPING to +9 broad axe "Kosum" {antimagic,
                  | rC+}.
 19392 | D:14     | 19392 ||| SWAPPING to +6 heavy broad axe.
 19393 | D:14     | 19393 ||| SWAPPING to +9 broad axe "Kosum" {antimagic,
                  | rC+}.
 19394 | D:14     | 19394 ||| SWAPPING to +6 heavy broad axe.
 19395 | D:14     | 19395 ||| SWAPPING to +9 broad axe "Kosum" {antimagic,
                  | rC+}.
 19396 | D:14     | 19396 ||| SWAPPING to +6 heavy broad axe.
 19397 | D:14     | 19397 ||| SWAPPING to +9 broad axe "Kosum" {antimagic,
                  | rC+}.
 19398 | D:14     | 19398 ||| SWAPPING to +6 heavy broad axe.
 19399 | D:14     | 19399 ||| SWAPPING to +9 broad axe "Kosum" {antimagic,
                  | rC+}.
 19400 | D:14     | 19400 ||| SWAPPING to +6 heavy broad axe.
 19401 | D:14     | 19401 ||| SWAPPING to +9 broad axe "Kosum" {antimagic,
                  | rC+}.
 19402 | D:14     | 19402 ||| SWAPPING to +6 heavy broad axe.
 19403 | D:14     | 19403 ||| SWAPPING to +9 broad axe "Kosum" {antimagic,
                  | rC+}.
 19404 | D:14     | 19404 ||| SWAPPING to +6 heavy broad axe.
 19405 | D:14     | 19405 ||| SWAPPING to +9 broad axe "Kosum" {antimagic,
                  | rC+}.
 19406 | D:14     | 19406 ||| SWAPPING to +6 heavy broad axe.
 19407 | D:14     | 19407 ||| SWAPPING to +9 broad axe "Kosum" {antimagic,
                  | rC+}.
 19408 | D:14     | 19408 ||| SWAPPING to +6 heavy broad axe.
 19409 | D:14     | 19409 ||| SWAPPING to +9 broad axe "Kosum" {antimagic,
                  | rC+}.
 19410 | D:14     | 19410 ||| SWAPPING to +6 heavy broad axe.
 19411 | D:14     | 19411 ||| SWAPPING to +9 broad axe "Kosum" {antimagic,
                  | rC+}.
 19412 | D:14     | 19412 ||| SWAPPING to +6 heavy broad axe.
 19413 | D:14     | 19413 ||| SWAPPING to +9 broad axe "Kosum" {antimagic,
                  | rC+}.
 19414 | D:14     | 19414 ||| SWAPPING to +6 heavy broad axe.
 19415 | D:14     | 19415 ||| SWAPPING to +9 broad axe "Kosum" {antimagic,
                  | rC+}.
 19416 | D:14     | 19416 ||| SWAPPING to +6 heavy broad axe.
 19417 | D:14     | 19417 ||| SWAPPING to +9 broad axe "Kosum" {antimagic,
                  | rC+}.
 19418 | D:14     | 19418 ||| SWAPPING to +6 heavy broad axe.
 19419 | D:14     | 19419 ||| SWAPPING to +9 broad axe "Kosum" {antimagic,
                  | rC+}.
 19420 | D:14     | 19420 ||| SWAPPING to +6 heavy broad axe.
 19421 | D:14     | 19421 ||| SWAPPING to +9 broad axe "Kosum" {antimagic,
                  | rC+}.
 19422 | D:14     | 19422 ||| SWAPPING to +6 heavy broad axe.
 19423 | D:14     | 19423 ||| SWAPPING to +9 broad axe "Kosum" {antimagic,
                  | rC+}.
 19424 | D:14     | 19424 ||| SWAPPING to +6 heavy broad axe.
 19425 | D:14     | 19425 ||| SWAPPING to +9 broad axe "Kosum" {antimagic,
                  | rC+}.
 19426 | D:14     | 19426 ||| SWAPPING to +6 heavy broad axe.
 19427 | D:14     | 19427 ||| SWAPPING to +9 broad axe "Kosum" {antimagic,
                  | rC+}.
 19428 | D:14     | 19428 ||| SWAPPING to +6 heavy broad axe.
 19429 | D:14     | 19429 ||| SWAPPING to +9 broad axe "Kosum" {antimagic,
                  | rC+}.
 19430 | D:14     | 19430 ||| SWAPPING to +6 heavy broad axe.
 19431 | D:14     | 19431 ||| SWAPPING to +9 broad axe "Kosum" {antimagic,
                  | rC+}.
 19432 | D:14     | 19432 ||| SWAPPING to +6 heavy broad axe.
 19433 | D:14     | 19433 ||| SWAPPING to +9 broad axe "Kosum" {antimagic,
                  | rC+}.
 19434 | D:14     | 19434 ||| SWAPPING to +6 heavy broad axe.
 19435 | D:14     | 19435 ||| SWAPPING to +9 broad axe "Kosum" {antimagic,
                  | rC+}.
 19436 | D:14     | 19436 ||| SWAPPING to +6 heavy broad axe.
 19437 | D:14     | 19437 ||| SWAPPING to +9 broad axe "Kosum" {antimagic,
                  | rC+}.
 19438 | D:14     | 19438 ||| SWAPPING to +6 heavy broad axe.
 19439 | D:14     | 19439 ||| SWAPPING to +9 broad axe "Kosum" {antimagic,
                  | rC+}.
 19440 | D:14     | 19440 ||| SWAPPING to +6 heavy broad axe.
 19441 | D:14     | 19441 ||| SWAPPING to +9 broad axe "Kosum" {antimagic,
                  | rC+}.
 19442 | D:14     | 19442 ||| SWAPPING to +6 heavy broad axe.
 19443 | D:14     | 19443 ||| SWAPPING to +9 broad axe "Kosum" {antimagic,
                  | rC+}.
 19444 | D:14     | 19444 ||| SWAPPING to +6 heavy broad axe.
 19445 | D:14     | 19445 ||| SWAPPING to +9 broad axe "Kosum" {antimagic,
                  | rC+}.
 19446 | D:14     | 19446 ||| SWAPPING to +6 heavy broad axe.
 19447 | D:14     | 19447 ||| SWAPPING to +9 broad axe "Kosum" {antimagic,
                  | rC+}.
 19448 | D:14     | 19448 ||| SWAPPING to +6 heavy broad axe.
 19449 | D:14     | 19449 ||| SWAPPING to +9 broad axe "Kosum" {antimagic,
                  | rC+}.
 19450 | D:14     | 19450 ||| SWAPPING to +6 heavy broad axe.
 19451 | D:14     | 19451 ||| SWAPPING to +9 broad axe "Kosum" {antimagic,
                  | rC+}.
 19452 | D:14     | 19452 ||| SWAPPING to +6 heavy broad axe.
 19453 | D:14     | 19453 ||| SWAPPING to +9 broad axe "Kosum" {antimagic,
                  | rC+}.
 19454 | D:14     | 19454 ||| SWAPPING to +6 heavy broad axe.
 19455 | D:14     | 19455 ||| SWAPPING to +9 broad axe "Kosum" {antimagic,
                  | rC+}.
 19456 | D:14     | 19456 ||| SWAPPING to +6 heavy broad axe.
 19457 | D:14     | 19457 ||| SWAPPING to +9 broad axe "Kosum" {antimagic,
                  | rC+}.
 19458 | D:14     | 19458 ||| SWAPPING to +6 heavy broad axe.
 19459 | D:14     | 19459 ||| SWAPPING to +9 broad axe "Kosum" {antimagic,
                  | rC+}.
 19460 | D:14     | 19460 ||| SWAPPING to +6 heavy broad axe.
 19461 | D:14     | 19461 ||| SWAPPING to +9 broad axe "Kosum" {antimagic,
                  | rC+}.
 19462 | D:14     | 19462 ||| SWAPPING to +6 heavy broad axe.
 19463 | D:14     | 19463 ||| SWAPPING to +9 broad axe "Kosum" {antimagic,
                  | rC+}.
 19464 | D:14     | 19464 ||| SWAPPING to +6 heavy broad axe.
 19465 | D:14     | 19465 ||| SWAPPING to +9 broad axe "Kosum" {antimagic,
                  | rC+}.
 19466 | D:14     | 19466 ||| SWAPPING to +6 heavy broad axe.
 19467 | D:14     | 19467 ||| SWAPPING to +9 broad axe "Kosum" {antimagic,
                  | rC+}.
 19468 | D:14     | 19468 ||| SWAPPING to +6 heavy broad axe.
 19469 | D:14     | 19469 ||| SWAPPING to +9 broad axe "Kosum" {antimagic,
                  | rC+}.
 19470 | D:14     | 19470 ||| SWAPPING to +6 heavy broad axe.
 19471 | D:14     | 19471 ||| SWAPPING to +9 broad axe "Kosum" {antimagic,
                  | rC+}.
 19472 | D:14     | 19472 ||| SWAPPING to +6 heavy broad axe.
 19473 | D:14     | 19473 ||| SWAPPING to +9 broad axe "Kosum" {antimagic,
                  | rC+}.
 19474 | D:14     | 19474 ||| SWAPPING to +6 heavy broad axe.
 19475 | D:14     | 19475 ||| SWAPPING to +9 broad axe "Kosum" {antimagic,
                  | rC+}.
 19476 | D:14     | 19476 ||| SWAPPING to +6 heavy broad axe.
 19477 | D:14     | 19477 ||| SWAPPING to +9 broad axe "Kosum" {antimagic,
                  | rC+}.
 19478 | D:14     | 19478 ||| SWAPPING to +6 heavy broad axe.
 19479 | D:14     | 19479 ||| SWAPPING to +9 broad axe "Kosum" {antimagic,
                  | rC+}.
 19480 | D:14     | 19480 ||| SWAPPING to +6 heavy broad axe.
 19481 | D:14     | 19481 ||| SWAPPING to +9 broad axe "Kosum" {antimagic,
                  | rC+}.
 19482 | D:14     | 19482 ||| SWAPPING to +6 heavy broad axe.
 19483 | D:14     | 19483 ||| SWAPPING to +9 broad axe "Kosum" {antimagic,
                  | rC+}.
 19484 | D:14     | 19484 ||| SWAPPING to +6 heavy broad axe.
 19485 | D:14     | 19485 ||| SWAPPING to +9 broad axe "Kosum" {antimagic,
                  | rC+}.
 19486 | D:14     | 19486 ||| SWAPPING to +6 heavy broad axe.
 19487 | D:14     | 19487 ||| SWAPPING to +9 broad axe "Kosum" {antimagic,
                  | rC+}.
 19488 | D:14     | 19488 ||| SWAPPING to +6 heavy broad axe.
 19489 | D:14     | 19489 ||| SWAPPING to +9 broad axe "Kosum" {antimagic,
                  | rC+}.
 19490 | D:14     | 19490 ||| SWAPPING to +6 heavy broad axe.
 19491 | D:14     | 19491 ||| SWAPPING to +9 broad axe "Kosum" {antimagic,
                  | rC+}.
 19492 | D:14     | 19492 ||| SWAPPING to +6 heavy broad axe.
 19493 | D:14     | 19493 ||| SWAPPING to +9 broad axe "Kosum" {antimagic,
                  | rC+}.
 19494 | D:14     | 19494 ||| SWAPPING to +6 heavy broad axe.
 19495 | D:14     | 19495 ||| SWAPPING to +9 broad axe "Kosum" {antimagic,
                  | rC+}.
 19496 | D:14     | 19496 ||| SWAPPING to +6 heavy broad axe.
 19497 | D:14     | 19497 ||| SWAPPING to +9 broad axe "Kosum" {antimagic,
                  | rC+}.
 19498 | D:14     | 19498 ||| SWAPPING to +6 heavy broad axe.
 19499 | D:14     | 19499 ||| SWAPPING to +9 broad axe "Kosum" {antimagic,
                  | rC+}.
 19500 | D:14     | 19500 ||| SWAPPING to +6 heavy broad axe.
 19501 | D:14     | 19501 ||| SWAPPING to +9 broad axe "Kosum" {antimagic,
                  | rC+}.
 19502 | D:14     | 19502 ||| SWAPPING to +6 heavy broad axe.
 19503 | D:14     | 19503 ||| SWAPPING to +9 broad axe "Kosum" {antimagic,
                  | rC+}.
 19504 | D:14     | 19504 ||| SWAPPING to +6 heavy broad axe.
 19505 | D:14     | 19505 ||| SWAPPING to +9 broad axe "Kosum" {antimagic,
                  | rC+}.
 19506 | D:14     | 19506 ||| SWAPPING to +6 heavy broad axe.
 19507 | D:14     | 19507 ||| SWAPPING to +9 broad axe "Kosum" {antimagic,
                  | rC+}.
 19508 | D:14     | 19508 ||| SWAPPING to +6 heavy broad axe.
 19509 | D:14     | 19509 ||| SWAPPING to +9 broad axe "Kosum" {antimagic,
                  | rC+}.
 19510 | D:14     | 19510 ||| SWAPPING to +6 heavy broad axe.
 19511 | D:14     | 19511 ||| SWAPPING to +9 broad axe "Kosum" {antimagic,
                  | rC+}.
 19512 | D:14     | 19512 ||| SWAPPING to +6 heavy broad axe.
 19513 | D:14     | 19513 ||| SWAPPING to +9 broad axe "Kosum" {antimagic,
                  | rC+}.
 19514 | D:14     | 19514 ||| SWAPPING to +6 heavy broad axe.
 19515 | D:14     | 19515 ||| SWAPPING to +9 broad axe "Kosum" {antimagic,
                  | rC+}.
 19516 | D:14     | 19516 ||| SWAPPING to +6 heavy broad axe.
 19517 | D:14     | 19517 ||| SWAPPING to +9 broad axe "Kosum" {antimagic,
                  | rC+}.
 19518 | D:14     | 19518 ||| SWAPPING to +6 heavy broad axe.
 19519 | D:14     | 19519 ||| SWAPPING to +9 broad axe "Kosum" {antimagic,
                  | rC+}.
 19520 | D:14     | 19520 ||| SWAPPING to +6 heavy broad axe.
 19521 | D:14     | 19521 ||| SWAPPING to +9 broad axe "Kosum" {antimagic,
                  | rC+}.
 19522 | D:14     | 19522 ||| SWAPPING to +6 heavy broad axe.
 19523 | D:14     | 19523 ||| SWAPPING to +9 broad axe "Kosum" {antimagic,
                  | rC+}.
 19524 | D:14     | 19524 ||| SWAPPING to +6 heavy broad axe.
 19525 | D:14     | 19525 ||| SWAPPING to +9 broad axe "Kosum" {antimagic,
                  | rC+}.
 19526 | D:14     | 19526 ||| SWAPPING to +6 heavy broad axe.
 19527 | D:14     | 19527 ||| SWAPPING to +9 broad axe "Kosum" {antimagic,
                  | rC+}.
 19528 | D:14     | 19528 ||| SWAPPING to +6 heavy broad axe.
 19529 | D:14     | 19529 ||| SWAPPING to +9 broad axe "Kosum" {antimagic,
                  | rC+}.
 19530 | D:14     | 19530 ||| SWAPPING to +6 heavy broad axe.
 19531 | D:14     | 19531 ||| SWAPPING to +9 broad axe "Kosum" {antimagic,
                  | rC+}.
 19532 | D:14     | 19532 ||| SWAPPING to +6 heavy broad axe.
 19533 | D:14     | 19533 ||| SWAPPING to +9 broad axe "Kosum" {antimagic,
                  | rC+}.
 19534 | D:14     | 19534 ||| SWAPPING to +6 heavy broad axe.
 19535 | D:14     | 19535 ||| SWAPPING to +9 broad axe "Kosum" {antimagic,
                  | rC+}.
 19536 | D:14     | 19536 ||| SWAPPING to +6 heavy broad axe.
 19537 | D:14     | 19537 ||| SWAPPING to +9 broad axe "Kosum" {antimagic,
                  | rC+}.
 19538 | D:14     | 19538 ||| SWAPPING to +6 heavy broad axe.
 19539 | D:14     | 19539 ||| SWAPPING to +9 broad axe "Kosum" {antimagic,
                  | rC+}.
 19540 | D:14     | 19540 ||| SWAPPING to +6 heavy broad axe.
 19541 | D:14     | 19541 ||| SWAPPING to +9 broad axe "Kosum" {antimagic,
                  | rC+}.
 19542 | D:14     | 19542 ||| SWAPPING to +6 heavy broad axe.
 19543 | D:14     | 19543 ||| SWAPPING to +9 broad axe "Kosum" {antimagic,
                  | rC+}.
 19544 | D:14     | 19544 ||| SWAPPING to +6 heavy broad axe.
 19545 | D:14     | 19545 ||| SWAPPING to +9 broad axe "Kosum" {antimagic,
                  | rC+}.
 19546 | D:14     | 19546 ||| SWAPPING to +6 heavy broad axe.
 19547 | D:14     | 19547 ||| SWAPPING to +9 broad axe "Kosum" {antimagic,
                  | rC+}.
 19548 | D:14     | 19548 ||| SWAPPING to +6 heavy broad axe.
 19549 | D:14     | 19549 ||| SWAPPING to +9 broad axe "Kosum" {antimagic,
                  | rC+}.
 19550 | D:14     | 19550 ||| SWAPPING to +6 heavy broad axe.
 19551 | D:14     | 19551 ||| SWAPPING to +9 broad axe "Kosum" {antimagic,
                  | rC+}.
 19552 | D:14     | 19552 ||| SWAPPING to +6 heavy broad axe.
 19553 | D:14     | 19553 ||| SWAPPING to +9 broad axe "Kosum" {antimagic,
                  | rC+}.
 19554 | D:14     | 19554 ||| SWAPPING to +6 heavy broad axe.
 19555 | D:14     | 19555 ||| SWAPPING to +9 broad axe "Kosum" {antimagic,
                  | rC+}.
 19556 | D:14     | 19556 ||| SWAPPING to +6 heavy broad axe.
 19557 | D:14     | 19557 ||| SWAPPING to +9 broad axe "Kosum" {antimagic,
                  | rC+}.
 19558 | D:14     | 19558 ||| SWAPPING to +6 heavy broad axe.
 19559 | D:14     | 19559 ||| SWAPPING to +9 broad axe "Kosum" {antimagic,
                  | rC+}.
 19560 | D:14     | 19560 ||| SWAPPING to +6 heavy broad axe.
 19561 | D:14     | 19561 ||| SWAPPING to +9 broad axe "Kosum" {antimagic,
                  | rC+}.
 19562 | D:14     | 19562 ||| SWAPPING to +6 heavy broad axe.
 19563 | D:14     | 19563 ||| SWAPPING to +9 broad axe "Kosum" {antimagic,
                  | rC+}.
 19564 | D:14     | 19564 ||| SWAPPING to +6 heavy broad axe.
 19565 | D:14     | 19565 ||| SWAPPING to +9 broad axe "Kosum" {antimagic,
                  | rC+}.
 19566 | D:14     | 19566 ||| SWAPPING to +6 heavy broad axe.
 19567 | D:14     | 19567 ||| SWAPPING to +9 broad axe "Kosum" {antimagic,
                  | rC+}.
 19568 | D:14     | 19568 ||| SWAPPING to +6 heavy broad axe.
 19569 | D:14     | 19569 ||| SWAPPING to +9 broad axe "Kosum" {antimagic,
                  | rC+}.
 19570 | D:14     | 19570 ||| SWAPPING to +6 heavy broad axe.
 19571 | D:14     | 19571 ||| SWAPPING to +9 broad axe "Kosum" {antimagic,
                  | rC+}.
 19572 | D:14     | 19572 ||| SWAPPING to +6 heavy broad axe.
 19573 | D:14     | 19573 ||| SWAPPING to +9 broad axe "Kosum" {antimagic,
                  | rC+}.
 19574 | D:14     | 19574 ||| SWAPPING to +6 heavy broad axe.
 19575 | D:14     | 19575 ||| SWAPPING to +9 broad axe "Kosum" {antimagic,
                  | rC+}.
 19576 | D:14     | 19576 ||| SWAPPING to +6 heavy broad axe.
 19577 | D:14     | 19577 ||| SWAPPING to +9 broad axe "Kosum" {antimagic,
                  | rC+}.
 19578 | D:14     | 19578 ||| SWAPPING to +6 heavy broad axe.
 19579 | D:14     | 19579 ||| SWAPPING to +9 broad axe "Kosum" {antimagic,
                  | rC+}.
 19580 | D:14     | 19580 ||| SWAPPING to +6 heavy broad axe.
 19581 | D:14     | 19581 ||| SWAPPING to +9 broad axe "Kosum" {antimagic,
                  | rC+}.
 19582 | D:14     | 19582 ||| SWAPPING to +6 heavy broad axe.
 19583 | D:14     | 19583 ||| SWAPPING to +9 broad axe "Kosum" {antimagic,
                  | rC+}.
 19584 | D:14     | 19584 ||| SWAPPING to +6 heavy broad axe.
 19585 | D:14     | 19585 ||| SWAPPING to +9 broad axe "Kosum" {antimagic,
                  | rC+}.
 19586 | D:14     | 19586 ||| SWAPPING to +6 heavy broad axe.
 19587 | D:14     | 19587 ||| SWAPPING to +9 broad axe "Kosum" {antimagic,
                  | rC+}.
 19588 | D:14     | 19588 ||| SWAPPING to +6 heavy broad axe.
 19589 | D:14     | 19589 ||| SWAPPING to +9 broad axe "Kosum" {antimagic,
                  | rC+}.
 19590 | D:14     | 19590 ||| SWAPPING to +6 heavy broad axe.
 19591 | D:14     | 19591 ||| SWAPPING to +9 broad axe "Kosum" {antimagic,
                  | rC+}.
 19592 | D:14     | 19592 ||| SWAPPING to +6 heavy broad axe.
 19593 | D:14     | 19593 ||| SWAPPING to +9 broad axe "Kosum" {antimagic,
                  | rC+}.
 19594 | D:14     | 19594 ||| SWAPPING to +6 heavy broad axe.
 19595 | D:14     | 19595 ||| SWAPPING to +9 broad axe "Kosum" {antimagic,
                  | rC+}.
 19596 | D:14     | 19596 ||| SWAPPING to +6 heavy broad axe.
 19597 | D:14     | 19597 ||| SWAPPING to +9 broad axe "Kosum" {antimagic,
                  | rC+}.
 19598 | D:14     | 19598 ||| SWAPPING to +6 heavy broad axe.
 19599 | D:14     | 19599 ||| SWAPPING to +9 broad axe "Kosum" {antimagic,
                  | rC+}.
 19600 | D:14     | 19600 ||| SWAPPING to +6 heavy broad axe.
 19601 | D:14     | 19601 ||| SWAPPING to +9 broad axe "Kosum" {antimagic,
                  | rC+}.
 19602 | D:14     | 19602 ||| SWAPPING to +6 heavy broad axe.
 19603 | D:14     | 19603 ||| SWAPPING to +9 broad axe "Kosum" {antimagic,
                  | rC+}.
 19604 | D:14     | 19604 ||| SWAPPING to +6 heavy broad axe.
 19605 | D:14     | 19605 ||| SWAPPING to +9 broad axe "Kosum" {antimagic,
                  | rC+}.
 19606 | D:14     | 19606 ||| SWAPPING to +6 heavy broad axe.
 19607 | D:14     | 19607 ||| SWAPPING to +9 broad axe "Kosum" {antimagic,
                  | rC+}.
 19608 | D:14     | 19608 ||| SWAPPING to +6 heavy broad axe.
 19609 | D:14     | 19609 ||| SWAPPING to +9 broad axe "Kosum" {antimagic,
                  | rC+}.
 19610 | D:14     | 19610 ||| SWAPPING to +6 heavy broad axe.
 19611 | D:14     | 19611 ||| SWAPPING to +9 broad axe "Kosum" {antimagic,
                  | rC+}.
 19612 | D:14     | 19612 ||| SWAPPING to +6 heavy broad axe.
 19613 | D:14     | 19613 ||| SWAPPING to +9 broad axe "Kosum" {antimagic,
                  | rC+}.
 19614 | D:14     | 19614 ||| SWAPPING to +6 heavy broad axe.
 19615 | D:14     | 19615 ||| SWAPPING to +9 broad axe "Kosum" {antimagic,
                  | rC+}.
 19616 | D:14     | 19616 ||| SWAPPING to +6 heavy broad axe.
 19617 | D:14     | 19617 ||| SWAPPING to +9 broad axe "Kosum" {antimagic,
                  | rC+}.
 19618 | D:14     | 19618 ||| SWAPPING to +6 heavy broad axe.
 19619 | D:14     | 19619 ||| SWAPPING to +9 broad axe "Kosum" {antimagic,
                  | rC+}.
 19620 | D:14     | 19620 ||| SWAPPING to +6 heavy broad axe.
 19621 | D:14     | 19621 ||| SWAPPING to +9 broad axe "Kosum" {antimagic,
                  | rC+}.
 19622 | D:14     | 19622 ||| SWAPPING to +6 heavy broad axe.
 19623 | D:14     | 19623 ||| SWAPPING to +9 broad axe "Kosum" {antimagic,
                  | rC+}.
 19624 | D:14     | 19624 ||| SWAPPING to +6 heavy broad axe.
 19625 | D:14     | 19625 ||| SWAPPING to +9 broad axe "Kosum" {antimagic,
                  | rC+}.
 19626 | D:14     | 19626 ||| SWAPPING to +6 heavy broad axe.
 19627 | D:14     | 19627 ||| SWAPPING to +9 broad axe "Kosum" {antimagic,
                  | rC+}.
 19628 | D:14     | 19628 ||| SWAPPING to +6 heavy broad axe.
 19629 | D:14     | 19629 ||| SWAPPING to +9 broad axe "Kosum" {antimagic,
                  | rC+}.
 19630 | D:14     | 19630 ||| SWAPPING to +6 heavy broad axe.
 19631 | D:14     | 19631 ||| SWAPPING to +9 broad axe "Kosum" {antimagic,
                  | rC+}.
 19632 | D:14     | 19632 ||| SWAPPING to +6 heavy broad axe.
 19633 | D:14     | 19633 ||| SWAPPING to +9 broad axe "Kosum" {antimagic,
                  | rC+}.
 19634 | D:14     | 19634 ||| SWAPPING to +6 heavy broad axe.
 19635 | D:14     | 19635 ||| SWAPPING to +9 broad axe "Kosum" {antimagic,
                  | rC+}.
 19636 | D:14     | 19636 ||| SWAPPING to +6 heavy broad axe.
 19637 | D:14     | 19637 ||| SWAPPING to +9 broad axe "Kosum" {antimagic,
                  | rC+}.
 19638 | D:14     | 19638 ||| SWAPPING to +6 heavy broad axe.
 19639 | D:14     | 19639 ||| SWAPPING to +9 broad axe "Kosum" {antimagic,
                  | rC+}.
 19640 | D:14     | 19640 ||| SWAPPING to +6 heavy broad axe.
 19641 | D:14     | 19641 ||| SWAPPING to +9 broad axe "Kosum" {antimagic,
                  | rC+}.
 19642 | D:14     | 19642 ||| SWAPPING to +6 heavy broad axe.
 19643 | D:14     | 19643 ||| SWAPPING to +9 broad axe "Kosum" {antimagic,
                  | rC+}.
 19644 | D:14     | 19644 ||| SWAPPING to +6 heavy broad axe.
 19645 | D:14     | 19645 ||| SWAPPING to +9 broad axe "Kosum" {antimagic,
                  | rC+}.
 19646 | D:14     | 19646 ||| SWAPPING to +6 heavy broad axe.
 19647 | D:14     | 19647 ||| SWAPPING to +9 broad axe "Kosum" {antimagic,
                  | rC+}.
 19648 | D:14     | 19648 ||| SWAPPING to +6 heavy broad axe.
 19649 | D:14     | 19649 ||| SWAPPING to +9 broad axe "Kosum" {antimagic,
                  | rC+}.
 19650 | D:14     | 19650 ||| SWAPPING to +6 heavy broad axe.
 19651 | D:14     | 19651 ||| SWAPPING to +9 broad axe "Kosum" {antimagic,
                  | rC+}.
 19652 | D:14     | 19652 ||| SWAPPING to +6 heavy broad axe.
 19653 | D:14     | 19653 ||| SWAPPING to +9 broad axe "Kosum" {antimagic,
                  | rC+}.
 19654 | D:14     | 19654 ||| SWAPPING to +6 heavy broad axe.
 19655 | D:14     | 19655 ||| SWAPPING to +9 broad axe "Kosum" {antimagic,
                  | rC+}.
 19656 | D:14     | 19656 ||| SWAPPING to +6 heavy broad axe.
 19657 | D:14     | 19657 ||| SWAPPING to +9 broad axe "Kosum" {antimagic,
                  | rC+}.
 19658 | D:14     | 19658 ||| SWAPPING to +6 heavy broad axe.
 19659 | D:14     | 19659 ||| SWAPPING to +9 broad axe "Kosum" {antimagic,
                  | rC+}.
 19660 | D:14     | 19660 ||| SWAPPING to +6 heavy broad axe.
 19661 | D:14     | 19661 ||| SWAPPING to +9 broad axe "Kosum" {antimagic,
                  | rC+}.
 19662 | D:14     | 19662 ||| SWAPPING to +6 heavy broad axe.
 19663 | D:14     | 19663 ||| SWAPPING to +9 broad axe "Kosum" {antimagic,
                  | rC+}.
 19664 | D:14     | 19664 ||| SWAPPING to +6 heavy broad axe.
 19665 | D:14     | 19665 ||| SWAPPING to +9 broad axe "Kosum" {antimagic,
                  | rC+}.
 19666 | D:14     | 19666 ||| SWAPPING to +6 heavy broad axe.
 19667 | D:14     | 19667 ||| SWAPPING to +9 broad axe "Kosum" {antimagic,
                  | rC+}.
 19668 | D:14     | 19668 ||| SWAPPING to +6 heavy broad axe.
 19669 | D:14     | 19669 ||| SWAPPING to +9 broad axe "Kosum" {antimagic,
                  | rC+}.
 19670 | D:14     | 19670 ||| SWAPPING to +6 heavy broad axe.
 19671 | D:14     | 19671 ||| SWAPPING to +9 broad axe "Kosum" {antimagic,
                  | rC+}.
 19672 | D:14     | 19672 ||| SWAPPING to +6 heavy broad axe.
 19673 | D:14     | 19673 ||| SWAPPING to +9 broad axe "Kosum" {antimagic,
                  | rC+}.
 19674 | D:14     | 19674 ||| SWAPPING to +6 heavy broad axe.
 19675 | D:14     | 19675 ||| SWAPPING to +9 broad axe "Kosum" {antimagic,
                  | rC+}.
 19676 | D:14     | 19676 ||| SWAPPING to +6 heavy broad axe.
 19677 | D:14     | 19677 ||| SWAPPING to +9 broad axe "Kosum" {antimagic,
                  | rC+}.
 19678 | D:14     | 19678 ||| SWAPPING to +6 heavy broad axe.
 19679 | D:14     | 19679 ||| SWAPPING to +9 broad axe "Kosum" {antimagic,
                  | rC+}.
 19680 | D:14     | 19680 ||| SWAPPING to +6 heavy broad axe.
 19681 | D:14     | 19681 ||| SWAPPING to +9 broad axe "Kosum" {antimagic,
                  | rC+}.
 19682 | D:14     | 19682 ||| SWAPPING to +6 heavy broad axe.
 19683 | D:14     | 19683 ||| SWAPPING to +9 broad axe "Kosum" {antimagic,
                  | rC+}.
 19684 | D:14     | 19684 ||| SWAPPING to +6 heavy broad axe.
 19685 | D:14     | 19685 ||| SWAPPING to +9 broad axe "Kosum" {antimagic,
                  | rC+}.
 19686 | D:14     | 19686 ||| SWAPPING to +6 heavy broad axe.
 19687 | D:14     | 19687 ||| SWAPPING to +9 broad axe "Kosum" {antimagic,
                  | rC+}.
 19688 | D:14     | 19688 ||| SWAPPING to +6 heavy broad axe.
 19689 | D:14     | 19689 ||| SWAPPING to +9 broad axe "Kosum" {antimagic,
                  | rC+}.
 19690 | D:14     | 19690 ||| SWAPPING to +6 heavy broad axe.
 19691 | D:14     | 19691 ||| SWAPPING to +9 broad axe "Kosum" {antimagic,
                  | rC+}.
 19692 | D:14     | 19692 ||| SWAPPING to +6 heavy broad axe.
 19693 | D:14     | 19693 ||| SWAPPING to +9 broad axe "Kosum" {antimagic,
                  | rC+}.
 19694 | D:14     | 19694 ||| SWAPPING to +6 heavy broad axe.
 19695 | D:14     | 19695 ||| SWAPPING to +9 broad axe "Kosum" {antimagic,
                  | rC+}.
 19696 | D:14     | 19696 ||| SWAPPING to +6 heavy broad axe.
 19697 | D:14     | 19697 ||| SWAPPING to +9 broad axe "Kosum" {antimagic,
                  | rC+}.
 19698 | D:14     | 19698 ||| SWAPPING to +6 heavy broad axe.
 19699 | D:14     | 19699 ||| SWAPPING to +9 broad axe "Kosum" {antimagic,
                  | rC+}.
 19700 | D:14     | 19700 ||| SWAPPING to +6 heavy broad axe.
 19701 | D:14     | 19701 ||| SWAPPING to +9 broad axe "Kosum" {antimagic,
                  | rC+}.
 19702 | D:14     | 19702 ||| SWAPPING to +6 heavy broad axe.
 19703 | D:14     | 19703 ||| SWAPPING to +9 broad axe "Kosum" {antimagic,
                  | rC+}.
 19704 | D:14     | 19704 ||| SWAPPING to +6 heavy broad axe.
 19705 | D:14     | 19705 ||| SWAPPING to +9 broad axe "Kosum" {antimagic,
                  | rC+}.
 19706 | D:14     | 19706 ||| SWAPPING to +6 heavy broad axe.
 19707 | D:14     | 19707 ||| SWAPPING to +9 broad axe "Kosum" {antimagic,
                  | rC+}.
 19708 | D:14     | 19708 ||| SWAPPING to +6 heavy broad axe.
 19709 | D:14     | 19709 ||| SWAPPING to +9 broad axe "Kosum" {antimagic,
                  | rC+}.
 19710 | D:14     | 19710 ||| SWAPPING to +6 heavy broad axe.
 19711 | D:14     | 19711 ||| SWAPPING to +9 broad axe "Kosum" {antimagic,
                  | rC+}.
 19712 | D:14     | 19712 ||| SWAPPING to +6 heavy broad axe.
 19713 | D:14     | 19713 ||| SWAPPING to +9 broad axe "Kosum" {antimagic,
                  | rC+}.
 19714 | D:14     | 19714 ||| SWAPPING to +6 heavy broad axe.
 19715 | D:14     | 19715 ||| SWAPPING to +9 broad axe "Kosum" {antimagic,
                  | rC+}.
 19716 | D:14     | 19716 ||| SWAPPING to +6 heavy broad axe.
 19717 | D:14     | 19717 ||| SWAPPING to +9 broad axe "Kosum" {antimagic,
                  | rC+}.
 19718 | D:14     | 19718 ||| SWAPPING to +6 heavy broad axe.
 19719 | D:14     | 19719 ||| SWAPPING to +9 broad axe "Kosum" {antimagic,
                  | rC+}.
 19720 | D:14     | 19720 ||| SWAPPING to +6 heavy broad axe.
 19721 | D:14     | 19721 ||| SWAPPING to +9 broad axe "Kosum" {antimagic,
                  | rC+}.
 19722 | D:14     | 19722 ||| SWAPPING to +6 heavy broad axe.
 19723 | D:14     | 19723 ||| SWAPPING to +9 broad axe "Kosum" {antimagic,
                  | rC+}.
 19724 | D:14     | 19724 ||| SWAPPING to +6 heavy broad axe.
 19725 | D:14     | 19725 ||| SWAPPING to +9 broad axe "Kosum" {antimagic,
                  | rC+}.
 19726 | D:14     | 19726 ||| SWAPPING to +6 heavy broad axe.
 19727 | D:14     | 19727 ||| SWAPPING to +9 broad axe "Kosum" {antimagic,
                  | rC+}.
 19728 | D:14     | 19728 ||| SWAPPING to +6 heavy broad axe.
 19729 | D:14     | 19729 ||| SWAPPING to +9 broad axe "Kosum" {antimagic,
                  | rC+}.
 19730 | D:14     | 19730 ||| SWAPPING to +6 heavy broad axe.
 19731 | D:14     | 19731 ||| SWAPPING to +9 broad axe "Kosum" {antimagic,
                  | rC+}.
 19732 | D:14     | 19732 ||| SWAPPING to +6 heavy broad axe.
 19733 | D:14     | 19733 ||| SWAPPING to +9 broad axe "Kosum" {antimagic,
                  | rC+}.
 19734 | D:14     | 19734 ||| SWAPPING to +6 heavy broad axe.
 19735 | D:14     | 19735 ||| SWAPPING to +9 broad axe "Kosum" {antimagic,
                  | rC+}.
 19736 | D:14     | 19736 ||| SWAPPING to +6 heavy broad axe.
 19737 | D:14     | 19737 ||| SWAPPING to +9 broad axe "Kosum" {antimagic,
                  | rC+}.
 19738 | D:14     | 19738 ||| SWAPPING to +6 heavy broad axe.
 19739 | D:14     | 19739 ||| SWAPPING to +9 broad axe "Kosum" {antimagic,
                  | rC+}.
 19740 | D:14     | 19740 ||| SWAPPING to +6 heavy broad axe.
 19741 | D:14     | 19741 ||| SWAPPING to +9 broad axe "Kosum" {antimagic,
                  | rC+}.
 19742 | D:14     | 19742 ||| SWAPPING to +6 heavy broad axe.
 19743 | D:14     | 19743 ||| SWAPPING to +9 broad axe "Kosum" {antimagic,
                  | rC+}.
 19744 | D:14     | 19744 ||| SWAPPING to +6 heavy broad axe.
 19745 | D:14     | 19745 ||| SWAPPING to +9 broad axe "Kosum" {antimagic,
                  | rC+}.
 19746 | D:14     | 19746 ||| SWAPPING to +6 heavy broad axe.
 19747 | D:14     | 19747 ||| SWAPPING to +9 broad axe "Kosum" {antimagic,
                  | rC+}.
 19748 | D:14     | 19748 ||| SWAPPING to +6 heavy broad axe.
 19749 | D:14     | 19749 ||| SWAPPING to +9 broad axe "Kosum" {antimagic,
                  | rC+}.
 19750 | D:14     | 19750 ||| SWAPPING to +6 heavy broad axe.
 19751 | D:14     | 19751 ||| SWAPPING to +9 broad axe "Kosum" {antimagic,
                  | rC+}.
 19752 | D:14     | 19752 ||| SWAPPING to +6 heavy broad axe.
 19753 | D:14     | 19753 ||| SWAPPING to +9 broad axe "Kosum" {antimagic,
                  | rC+}.
 19754 | D:14     | 19754 ||| SWAPPING to +6 heavy broad axe.
 19755 | D:14     | 19755 ||| SWAPPING to +9 broad axe "Kosum" {antimagic,
                  | rC+}.
 19756 | D:14     | 19756 ||| SWAPPING to +6 heavy broad axe.
 19757 | D:14     | 19757 ||| SWAPPING to +9 broad axe "Kosum" {antimagic,
                  | rC+}.
 19758 | D:14     | 19758 ||| SWAPPING to +6 heavy broad axe.
 19759 | D:14     | 19759 ||| SWAPPING to +9 broad axe "Kosum" {antimagic,
                  | rC+}.
 19760 | D:14     | 19760 ||| SWAPPING to +6 heavy broad axe.
 19761 | D:14     | 19761 ||| SWAPPING to +9 broad axe "Kosum" {antimagic,
                  | rC+}.
 19762 | D:14     | 19762 ||| SWAPPING to +6 heavy broad axe.
 19763 | D:14     | 19763 ||| SWAPPING to +9 broad axe "Kosum" {antimagic,
                  | rC+}.
 19764 | D:14     | 19764 ||| SWAPPING to +6 heavy broad axe.
 19765 | D:14     | 19765 ||| SWAPPING to +9 broad axe "Kosum" {antimagic,
                  | rC+}.
 19766 | D:14     | 19766 ||| SWAPPING to +6 heavy broad axe.
 19767 | D:14     | 19767 ||| SWAPPING to +9 broad axe "Kosum" {antimagic,
                  | rC+}.
 19768 | D:14     | 19768 ||| SWAPPING to +6 heavy broad axe.
 19769 | D:14     | 19769 ||| SWAPPING to +9 broad axe "Kosum" {antimagic,
                  | rC+}.
 19770 | D:14     | 19770 ||| SWAPPING to +6 heavy broad axe.
 19771 | D:14     | 19771 ||| SWAPPING to +9 broad axe "Kosum" {antimagic,
                  | rC+}.
 19772 | D:14     | 19772 ||| SWAPPING to +6 heavy broad axe.
 19773 | D:14     | 19773 ||| SWAPPING to +9 broad axe "Kosum" {antimagic,
                  | rC+}.
 19774 | D:14     | 19774 ||| SWAPPING to +6 heavy broad axe.
 19775 | D:14     | 19775 ||| SWAPPING to +9 broad axe "Kosum" {antimagic,
                  | rC+}.
 19776 | D:14     | 19776 ||| SWAPPING to +6 heavy broad axe.
 19777 | D:14     | 19777 ||| SWAPPING to +9 broad axe "Kosum" {antimagic,
                  | rC+}.
 19778 | D:14     | 19778 ||| SWAPPING to +6 heavy broad axe.
 19779 | D:14     | 19779 ||| SWAPPING to +9 broad axe "Kosum" {antimagic,
                  | rC+}.
 19780 | D:14     | 19780 ||| SWAPPING to +6 heavy broad axe.
 19781 | D:14     | 19781 ||| SWAPPING to +9 broad axe "Kosum" {antimagic,
                  | rC+}.
 19782 | D:14     | 19782 ||| SWAPPING to +6 heavy broad axe.
 19783 | D:14     | 19783 ||| SWAPPING to +9 broad axe "Kosum" {antimagic,
                  | rC+}.
 19784 | D:14     | 19784 ||| SWAPPING to +6 heavy broad axe.
 19785 | D:14     | 19785 ||| SWAPPING to +9 broad axe "Kosum" {antimagic,
                  | rC+}.
 19786 | D:14     | 19786 ||| SWAPPING to +6 heavy broad axe.
 19787 | D:14     | 19787 ||| SWAPPING to +9 broad axe "Kosum" {antimagic,
                  | rC+}.
 19788 | D:14     | 19788 ||| SWAPPING to +6 heavy broad axe.
 19789 | D:14     | 19789 ||| SWAPPING to +9 broad axe "Kosum" {antimagic,
                  | rC+}.
 19790 | D:14     | 19790 ||| SWAPPING to +6 heavy broad axe.
 19791 | D:14     | 19791 ||| SWAPPING to +9 broad axe "Kosum" {antimagic,
                  | rC+}.
 19792 | D:14     | 19792 ||| SWAPPING to +6 heavy broad axe.
 19793 | D:14     | 19793 ||| SWAPPING to +9 broad axe "Kosum" {antimagic,
                  | rC+}.
 19794 | D:14     | 19794 ||| SWAPPING to +6 heavy broad axe.
 19795 | D:14     | 19795 ||| SWAPPING to +9 broad axe "Kosum" {antimagic,
                  | rC+}.
 19796 | D:14     | 19796 ||| SWAPPING to +6 heavy broad axe.
 19797 | D:14     | 19797 ||| SWAPPING to +9 broad axe "Kosum" {antimagic,
                  | rC+}.
 19798 | D:14     | 19798 ||| SWAPPING to +6 heavy broad axe.
 19799 | D:14     | 19799 ||| SWAPPING to +9 broad axe "Kosum" {antimagic,
                  | rC+}.
 19800 | D:14     | 19800 ||| SWAPPING to +6 heavy broad axe.
 19801 | D:14     | 19801 ||| SWAPPING to +9 broad axe "Kosum" {antimagic,
                  | rC+}.
 19802 | D:14     | 19802 ||| SWAPPING to +6 heavy broad axe.
 19803 | D:14     | 19803 ||| SWAPPING to +9 broad axe "Kosum" {antimagic,
                  | rC+}.
 19804 | D:14     | 19804 ||| SWAPPING to +6 heavy broad axe.
 19805 | D:14     | 19805 ||| SWAPPING to +9 broad axe "Kosum" {antimagic,
                  | rC+}.
 19806 | D:14     | 19806 ||| SWAPPING to +6 heavy broad axe.
 19807 | D:14     | 19807 ||| SWAPPING to +9 broad axe "Kosum" {antimagic,
                  | rC+}.
 19808 | D:14     | 19808 ||| SWAPPING to +6 heavy broad axe.
 19809 | D:14     | 19809 ||| SWAPPING to +9 broad axe "Kosum" {antimagic,
                  | rC+}.
 19810 | D:14     | 19810 ||| SWAPPING to +6 heavy broad axe.
 19811 | D:14     | 19811 ||| SWAPPING to +9 broad axe "Kosum" {antimagic,
                  | rC+}.
 19812 | D:14     | 19812 ||| SWAPPING to +6 heavy broad axe.
 19813 | D:14     | 19813 ||| SWAPPING to +9 broad axe "Kosum" {antimagic,
                  | rC+}.
 19814 | D:14     | 19814 ||| SWAPPING to +6 heavy broad axe.
 19815 | D:14     | 19815 ||| SWAPPING to +9 broad axe "Kosum" {antimagic,
                  | rC+}.
 19816 | D:14     | 19816 ||| SWAPPING to +6 heavy broad axe.
 19817 | D:14     | 19817 ||| SWAPPING to +9 broad axe "Kosum" {antimagic,
                  | rC+}.
 19818 | D:14     | 19818 ||| SWAPPING to +6 heavy broad axe.
 19819 | D:14     | 19819 ||| SWAPPING to +9 broad axe "Kosum" {antimagic,
                  | rC+}.
 19820 | D:14     | 19820 ||| SWAPPING to +6 heavy broad axe.
 19821 | D:14     | 19821 ||| SWAPPING to +9 broad axe "Kosum" {antimagic,
                  | rC+}.
 19822 | D:14     | 19822 ||| SWAPPING to +6 heavy broad axe.
 19823 | D:14     | 19823 ||| SWAPPING to +9 broad axe "Kosum" {antimagic,
                  | rC+}.
 19824 | D:14     | 19824 ||| SWAPPING to +6 heavy broad axe.
 19825 | D:14     | 19825 ||| SWAPPING to +9 broad axe "Kosum" {antimagic,
                  | rC+}.
 19826 | D:14     | 19826 ||| SWAPPING to +6 heavy broad axe.
 19827 | D:14     | 19827 ||| SWAPPING to +9 broad axe "Kosum" {antimagic,
                  | rC+}.
 19828 | D:14     | 19828 ||| SWAPPING to +6 heavy broad axe.
 19829 | D:14     | 19829 ||| SWAPPING to +9 broad axe "Kosum" {antimagic,
                  | rC+}.
 19830 | D:14     | 19830 ||| SWAPPING to +6 heavy broad axe.
 19831 | D:14     | 19831 ||| SWAPPING to +9 broad axe "Kosum" {antimagic,
                  | rC+}.
 19832 | D:14     | 19832 ||| SWAPPING to +6 heavy broad axe.
 19833 | D:14     | 19833 ||| SWAPPING to +9 broad axe "Kosum" {antimagic,
                  | rC+}.
 19834 | D:14     | 19834 ||| SWAPPING to +6 heavy broad axe.
 19835 | D:14     | 19835 ||| SWAPPING to +9 broad axe "Kosum" {antimagic,
                  | rC+}.
 19836 | D:14     | 19836 ||| SWAPPING to +6 heavy broad axe.
 19837 | D:14     | 19837 ||| SWAPPING to +9 broad axe "Kosum" {antimagic,
                  | rC+}.
 19838 | D:14     | 19838 ||| SWAPPING to +6 heavy broad axe.
 19839 | D:14     | 19839 ||| SWAPPING to +9 broad axe "Kosum" {antimagic,
                  | rC+}.
 19840 | D:14     | 19840 ||| SWAPPING to +6 heavy broad axe.
 19841 | D:14     | 19841 ||| SWAPPING to +9 broad axe "Kosum" {antimagic,
                  | rC+}.
 19842 | D:14     | 19842 ||| SWAPPING to +6 heavy broad axe.
 19843 | D:14     | 19843 ||| SWAPPING to +9 broad axe "Kosum" {antimagic,
                  | rC+}.
 19844 | D:14     | 19844 ||| SWAPPING to +6 heavy broad axe.
 19845 | D:14     | 19845 ||| SWAPPING to +9 broad axe "Kosum" {antimagic,
                  | rC+}.
 19846 | D:14     | 19846 ||| SWAPPING to +6 heavy broad axe.
 19847 | D:14     | 19847 ||| SWAPPING to +9 broad axe "Kosum" {antimagic,
                  | rC+}.
 19848 | D:14     | 19848 ||| SWAPPING to +6 heavy broad axe.
 19849 | D:14     | 19849 ||| SWAPPING to +9 broad axe "Kosum" {antimagic,
                  | rC+}.
 19850 | D:14     | 19850 ||| SWAPPING to +6 heavy broad axe.
 19851 | D:14     | 19851 ||| SWAPPING to +9 broad axe "Kosum" {antimagic,
                  | rC+}.
 19852 | D:14     | 19852 ||| SWAPPING to +6 heavy broad axe.
 19853 | D:14     | 19853 ||| SWAPPING to +9 broad axe "Kosum" {antimagic,
                  | rC+}.
 19854 | D:14     | 19854 ||| SWAPPING to +6 heavy broad axe.
 19855 | D:14     | 19855 ||| SWAPPING to +9 broad axe "Kosum" {antimagic,
                  | rC+}.
 19856 | D:14     | 19856 ||| SWAPPING to +6 heavy broad axe.
 19857 | D:14     | 19857 ||| SWAPPING to +9 broad axe "Kosum" {antimagic,
                  | rC+}.
 19858 | D:14     | 19858 ||| SWAPPING to +6 heavy broad axe.
 19859 | D:14     | 19859 ||| SWAPPING to +9 broad axe "Kosum" {antimagic,
                  | rC+}.
 19860 | D:14     | 19860 ||| SWAPPING to +6 heavy broad axe.
 19861 | D:14     | 19861 ||| SWAPPING to +9 broad axe "Kosum" {antimagic,
                  | rC+}.
 19862 | D:14     | 19862 ||| SWAPPING to +6 heavy broad axe.
 19863 | D:14     | 19863 ||| SWAPPING to +9 broad axe "Kosum" {antimagic,
                  | rC+}.
 19864 | D:14     | 19864 ||| SWAPPING to +6 heavy broad axe.
 19865 | D:14     | 19865 ||| SWAPPING to +9 broad axe "Kosum" {antimagic,
                  | rC+}.
 19866 | D:14     | 19866 ||| SWAPPING to +6 heavy broad axe.
 19867 | D:14     | 19867 ||| SWAPPING to +9 broad axe "Kosum" {antimagic,
                  | rC+}.
 19868 | D:14     | 19868 ||| SWAPPING to +6 heavy broad axe.
 19869 | D:14     | 19869 ||| SWAPPING to +9 broad axe "Kosum" {antimagic,
                  | rC+}.
 19870 | D:14     | 19870 ||| SWAPPING to +6 heavy broad axe.
 19871 | D:14     | 19871 ||| SWAPPING to +9 broad axe "Kosum" {antimagic,
                  | rC+}.
 19872 | D:14     | 19872 ||| SWAPPING to +6 heavy broad axe.
 19873 | D:14     | 19873 ||| SWAPPING to +9 broad axe "Kosum" {antimagic,
                  | rC+}.
 19874 | D:14     | 19874 ||| SWAPPING to +6 heavy broad axe.
 19875 | D:14     | 19875 ||| SWAPPING to +9 broad axe "Kosum" {antimagic,
                  | rC+}.
 19876 | D:14     | 19876 ||| SWAPPING to +6 heavy broad axe.
 19877 | D:14     | 19877 ||| SWAPPING to +9 broad axe "Kosum" {antimagic,
                  | rC+}.
 19878 | D:14     | 19878 ||| SWAPPING to +6 heavy broad axe.
 19879 | D:14     | 19879 ||| SWAPPING to +9 broad axe "Kosum" {antimagic,
                  | rC+}.
 19880 | D:14     | 19880 ||| SWAPPING to +6 heavy broad axe.
 19881 | D:14     | 19881 ||| SWAPPING to +9 broad axe "Kosum" {antimagic,
                  | rC+}.
 19882 | D:14     | 19882 ||| SWAPPING to +6 heavy broad axe.
 19883 | D:14     | 19883 ||| SWAPPING to +9 broad axe "Kosum" {antimagic,
                  | rC+}.
 19884 | D:14     | 19884 ||| SWAPPING to +6 heavy broad axe.
 19885 | D:14     | 19885 ||| SWAPPING to +9 broad axe "Kosum" {antimagic,
                  | rC+}.
 19886 | D:14     | 19886 ||| SWAPPING to +6 heavy broad axe.
 19887 | D:14     | 19887 ||| SWAPPING to +9 broad axe "Kosum" {antimagic,
                  | rC+}.
 19888 | D:14     | 19888 ||| SWAPPING to +6 heavy broad axe.
 19889 | D:14     | 19889 ||| SWAPPING to +9 broad axe "Kosum" {antimagic,
                  | rC+}.
 19890 | D:14     | 19890 ||| SWAPPING to +6 heavy broad axe.
 19891 | D:14     | 19891 ||| SWAPPING to +9 broad axe "Kosum" {antimagic,
                  | rC+}.
 19892 | D:14     | 19892 ||| SWAPPING to +6 heavy broad axe.
 19893 | D:14     | 19893 ||| SWAPPING to +9 broad axe "Kosum" {antimagic,
                  | rC+}.
 19894 | D:14     | 19894 ||| SWAPPING to +6 heavy broad axe.
 19895 | D:14     | 19895 ||| SWAPPING to +9 broad axe "Kosum" {antimagic,
                  | rC+}.
 19896 | D:14     | 19896 ||| SWAPPING to +6 heavy broad axe.
 19897 | D:14     | 19897 ||| SWAPPING to +9 broad axe "Kosum" {antimagic,
                  | rC+}.
 19898 | D:14     | 19898 ||| SWAPPING to +6 heavy broad axe.
 19899 | D:14     | 19899 ||| SWAPPING to +9 broad axe "Kosum" {antimagic,
                  | rC+}.
 19900 | D:14     | 19900 ||| SWAPPING to +6 heavy broad axe.
 19901 | D:14     | 19901 ||| SWAPPING to +9 broad axe "Kosum" {antimagic,
                  | rC+}.
 19902 | D:14     | 19902 ||| SWAPPING to +6 heavy broad axe.
 19903 | D:14     | 19903 ||| SWAPPING to +9 broad axe "Kosum" {antimagic,
                  | rC+}.
 19904 | D:14     | 19904 ||| SWAPPING to +6 heavy broad axe.
 19905 | D:14     | 19905 ||| SWAPPING to +9 broad axe "Kosum" {antimagic,
                  | rC+}.
 19906 | D:14     | 19906 ||| SWAPPING to +6 heavy broad axe.
 19907 | D:14     | 19907 ||| SWAPPING to +9 broad axe "Kosum" {antimagic,
                  | rC+}.
 19908 | D:14     | 19908 ||| SWAPPING to +6 heavy broad axe.
 19909 | D:14     | 19909 ||| SWAPPING to +9 broad axe "Kosum" {antimagic,
                  | rC+}.
 19910 | D:14     | 19910 ||| SWAPPING to +6 heavy broad axe.
 19911 | D:14     | 19911 ||| SWAPPING to +9 broad axe "Kosum" {antimagic,
                  | rC+}.
 19912 | D:14     | 19912 ||| SWAPPING to +6 heavy broad axe.
 19913 | D:14     | 19913 ||| SWAPPING to +9 broad axe "Kosum" {antimagic,
                  | rC+}.
 19914 | D:14     | 19914 ||| SWAPPING to +6 heavy broad axe.
 19915 | D:14     | 19915 ||| SWAPPING to +9 broad axe "Kosum" {antimagic,
                  | rC+}.
 19916 | D:14     | 19916 ||| SWAPPING to +6 heavy broad axe.
 19917 | D:14     | 19917 ||| SWAPPING to +9 broad axe "Kosum" {antimagic,
                  | rC+}.
 19918 | D:14     | 19918 ||| SWAPPING to +6 heavy broad axe.
 19919 | D:14     | 19919 ||| SWAPPING to +9 broad axe "Kosum" {antimagic,
                  | rC+}.
 19920 | D:14     | 19920 ||| SWAPPING to +6 heavy broad axe.
 19921 | D:14     | 19921 ||| SWAPPING to +9 broad axe "Kosum" {antimagic,
                  | rC+}.
 19922 | D:14     | 19922 ||| SWAPPING to +6 heavy broad axe.
 19923 | D:14     | 19923 ||| SWAPPING to +9 broad axe "Kosum" {antimagic,
                  | rC+}.
 19924 | D:14     | 19924 ||| SWAPPING to +6 heavy broad axe.
 19925 | D:14     | 19925 ||| SWAPPING to +9 broad axe "Kosum" {antimagic,
                  | rC+}.
 19926 | D:14     | 19926 ||| SWAPPING to +6 heavy broad axe.
 19927 | D:14     | 19927 ||| SWAPPING to +9 broad axe "Kosum" {antimagic,
                  | rC+}.
 19928 | D:14     | 19928 ||| SWAPPING to +6 heavy broad axe.
 19929 | D:14     | 19929 ||| SWAPPING to +9 broad axe "Kosum" {antimagic,
                  | rC+}.
 19930 | D:14     | 19930 ||| SWAPPING to +6 heavy broad axe.
 19931 | D:14     | 19931 ||| SWAPPING to +9 broad axe "Kosum" {antimagic,
                  | rC+}.
 19932 | D:14     | 19932 ||| SWAPPING to +6 heavy broad axe.
 19933 | D:14     | 19933 ||| SWAPPING to +9 broad axe "Kosum" {antimagic,
                  | rC+}.
 19934 | D:14     | 19934 ||| SWAPPING to +6 heavy broad axe.
 19935 | D:14     | 19935 ||| SWAPPING to +9 broad axe "Kosum" {antimagic,
                  | rC+}.
 19936 | D:14     | 19936 ||| SWAPPING to +6 heavy broad axe.
 19937 | D:14     | 19937 ||| SWAPPING to +9 broad axe "Kosum" {antimagic,
                  | rC+}.
 19938 | D:14     | 19938 ||| SWAPPING to +6 heavy broad axe.
 19939 | D:14     | 19939 ||| SWAPPING to +9 broad axe "Kosum" {antimagic,
                  | rC+}.
 19940 | D:14     | 19940 ||| SWAPPING to +6 heavy broad axe.
 19941 | D:14     | 19941 ||| SWAPPING to +9 broad axe "Kosum" {antimagic,
                  | rC+}.
 19942 | D:14     | 19942 ||| SWAPPING to +6 heavy broad axe.
 19943 | D:14     | 19943 ||| SWAPPING to +9 broad axe "Kosum" {antimagic,
                  | rC+}.
 19944 | D:14     | 19944 ||| SWAPPING to +6 heavy broad axe.
 19945 | D:14     | 19945 ||| SWAPPING to +9 broad axe "Kosum" {antimagic,
                  | rC+}.
 19946 | D:14     | 19946 ||| SWAPPING to +6 heavy broad axe.
 19947 | D:14     | 19947 ||| SWAPPING to +9 broad axe "Kosum" {antimagic,
                  | rC+}.
 19948 | D:14     | 19948 ||| SWAPPING to +6 heavy broad axe.
 19949 | D:14     | 19949 ||| SWAPPING to +9 broad axe "Kosum" {antimagic,
                  | rC+}.
 19950 | D:14     | 19950 ||| SWAPPING to +6 heavy broad axe.
 19951 | D:14     | 19951 ||| SWAPPING to +9 broad axe "Kosum" {antimagic,
                  | rC+}.
 19952 | D:14     | 19952 ||| SWAPPING to +6 heavy broad axe.
 19953 | D:14     | 19953 ||| SWAPPING to +9 broad axe "Kosum" {antimagic,
                  | rC+}.
 19954 | D:14     | 19954 ||| SWAPPING to +6 heavy broad axe.
 19955 | D:14     | 19955 ||| SWAPPING to +9 broad axe "Kosum" {antimagic,
                  | rC+}.
 19956 | D:14     | 19956 ||| SWAPPING to +6 heavy broad axe.
 19957 | D:14     | 19957 ||| SWAPPING to +9 broad axe "Kosum" {antimagic,
                  | rC+}.
 19958 | D:14     | 19958 ||| SWAPPING to +6 heavy broad axe.
 19959 | D:14     | 19959 ||| SWAPPING to +9 broad axe "Kosum" {antimagic,
                  | rC+}.
 19960 | D:14     | 19960 ||| SWAPPING to +6 heavy broad axe.
 19961 | D:14     | 19961 ||| SWAPPING to +9 broad axe "Kosum" {antimagic,
                  | rC+}.
 19962 | D:14     | 19962 ||| SWAPPING to +6 heavy broad axe.
 19963 | D:14     | 19963 ||| SWAPPING to +9 broad axe "Kosum" {antimagic,
                  | rC+}.
 19964 | D:14     | 19964 ||| SWAPPING to +6 heavy broad axe.
 19965 | D:14     | 19965 ||| SWAPPING to +9 broad axe "Kosum" {antimagic,
                  | rC+}.
 19966 | D:14     | 19966 ||| SWAPPING to +6 heavy broad axe.
 19967 | D:14     | 19967 ||| SWAPPING to +9 broad axe "Kosum" {antimagic,
                  | rC+}.
 19968 | D:14     | 19968 ||| SWAPPING to +6 heavy broad axe.
 19969 | D:14     | 19969 ||| SWAPPING to +9 broad axe "Kosum" {antimagic,
                  | rC+}.
 19970 | D:14     | 19970 ||| SWAPPING to +6 heavy broad axe.
 19971 | D:14     | 19971 ||| SWAPPING to +9 broad axe "Kosum" {antimagic,
                  | rC+}.
 19972 | D:14     | 19972 ||| SWAPPING to +6 heavy broad axe.
 19973 | D:14     | 19973 ||| SWAPPING to +9 broad axe "Kosum" {antimagic,
                  | rC+}.
 19974 | D:14     | 19974 ||| SWAPPING to +6 heavy broad axe.
 19975 | D:14     | 19975 ||| SWAPPING to +9 broad axe "Kosum" {antimagic,
                  | rC+}.
 19976 | D:14     | 19976 ||| SWAPPING to +6 heavy broad axe.
 19977 | D:14     | 19977 ||| SWAPPING to +9 broad axe "Kosum" {antimagic,
                  | rC+}.
 19978 | D:14     | 19978 ||| SWAPPING to +6 heavy broad axe.
 19979 | D:14     | 19979 ||| SWAPPING to +9 broad axe "Kosum" {antimagic,
                  | rC+}.
 19980 | D:14     | 19980 ||| SWAPPING to +6 heavy broad axe.
 19981 | D:14     | 19981 ||| SWAPPING to +9 broad axe "Kosum" {antimagic,
                  | rC+}.
 19982 | D:14     | 19982 ||| SWAPPING to +6 heavy broad axe.
 19983 | D:14     | 19983 ||| SWAPPING to +9 broad axe "Kosum" {antimagic,
                  | rC+}.
 19984 | D:14     | 19984 ||| SWAPPING to +6 heavy broad axe.
 19985 | D:14     | 19985 ||| SWAPPING to +9 broad axe "Kosum" {antimagic,
                  | rC+}.
 19986 | D:14     | 19986 ||| SWAPPING to +6 heavy broad axe.
 19987 | D:14     | 19987 ||| SWAPPING to +9 broad axe "Kosum" {antimagic,
                  | rC+}.
 19988 | D:14     | 19988 ||| SWAPPING to +6 heavy broad axe.
 19989 | D:14     | 19989 ||| SWAPPING to +9 broad axe "Kosum" {antimagic,
                  | rC+}.
 19990 | D:14     | 19990 ||| SWAPPING to +6 heavy broad axe.
 19991 | D:14     | 19991 ||| SWAPPING to +9 broad axe "Kosum" {antimagic,
                  | rC+}.
 19992 | D:14     | 19992 ||| SWAPPING to +6 heavy broad axe.
 19993 | D:14     | 19993 ||| SWAPPING to +9 broad axe "Kosum" {antimagic,
                  | rC+}.
 19994 | D:14     | 19994 ||| SWAPPING to +6 heavy broad axe.
 19995 | D:14     | 19995 ||| SWAPPING to +9 broad axe "Kosum" {antimagic,
                  | rC+}.
 19996 | D:14     | 19996 ||| SWAPPING to +6 heavy broad axe.
 19997 | D:14     | 19997 ||| SWAPPING to +9 broad axe "Kosum" {antimagic,
                  | rC+}.
 19998 | D:14     | 19998 ||| SWAPPING to +6 heavy broad axe.
 19999 | D:14     | 19999 ||| SWAPPING to +9 broad axe "Kosum" {antimagic,
                  | rC+}.
 20000 | D:14     | 20000 ||| SWAPPING to +6 heavy broad axe.
 20001 | D:14     | 20001 ||| SWAPPING to +9 broad axe "Kosum" {antimagic,
                  | rC+}.
 20002 | D:14     | 20002 ||| SWAPPING to +6 heavy broad axe.
 20003 | D:14     | 20003 ||| SWAPPING to +9 broad axe "Kosum" {antimagic,
                  | rC+}.
 20004 | D:14     | 20004 ||| SWAPPING to +6 heavy broad axe.
 20005 | D:14     | 20005 ||| SWAPPING to +9 broad axe "Kosum" {antimagic,
                  | rC+}.
 20006 | D:14     | 20006 ||| SWAPPING to +6 heavy broad axe.
 20007 | D:14     | 20007 ||| SWAPPING to +9 broad axe "Kosum" {antimagic,
                  | rC+}.
 20008 | D:14     | 20008 ||| SWAPPING to +6 heavy broad axe.
 20009 | D:14     | 20009 ||| SWAPPING to +9 broad axe "Kosum" {antimagic,
                  | rC+}.
 20010 | D:14     | 20010 ||| SWAPPING to +6 heavy broad axe.
 20011 | D:14     | 20011 ||| SWAPPING to +9 broad axe "Kosum" {antimagic,
                  | rC+}.
 20012 | D:14     | 20012 ||| SWAPPING to +6 heavy broad axe.
 20013 | D:14     | 20013 ||| SWAPPING to +9 broad axe "Kosum" {antimagic,
                  | rC+}.
 20014 | D:14     | 20014 ||| SWAPPING to +6 heavy broad axe.
 20015 | D:14     | 20015 ||| SWAPPING to +9 broad axe "Kosum" {antimagic,
                  | rC+}.
 20016 | D:14     | 20016 ||| SWAPPING to +6 heavy broad axe.
 20017 | D:14     | 20017 ||| SWAPPING to +9 broad axe "Kosum" {antimagic,
                  | rC+}.
 20018 | D:14     | 20018 ||| SWAPPING to +6 heavy broad axe.
 20019 | D:14     | 20019 ||| SWAPPING to +9 broad axe "Kosum" {antimagic,
                  | rC+}.
 20020 | D:14     | 20020 ||| SWAPPING to +6 heavy broad axe.
 20021 | D:14     | 20021 ||| SWAPPING to +9 broad axe "Kosum" {antimagic,
                  | rC+}.
 20022 | D:14     | 20022 ||| SWAPPING to +6 heavy broad axe.
 20023 | D:14     | 20023 ||| SWAPPING to +9 broad axe "Kosum" {antimagic,
                  | rC+}.
 20024 | D:14     | 20024 ||| SWAPPING to +6 heavy broad axe.
 20025 | D:14     | 20025 ||| SWAPPING to +9 broad axe "Kosum" {antimagic,
                  | rC+}.
 20026 | D:14     | 20026 ||| SWAPPING to +6 heavy broad axe.
 20027 | D:14     | 20027 ||| SWAPPING to +9 broad axe "Kosum" {antimagic,
                  | rC+}.
 20028 | D:14     | 20028 ||| SWAPPING to +6 heavy broad axe.
 20029 | D:14     | 20029 ||| SWAPPING to +9 broad axe "Kosum" {antimagic,
                  | rC+}.
 20030 | D:14     | 20030 ||| SWAPPING to +6 heavy broad axe.
 20031 | D:14     | 20031 ||| SWAPPING to +9 broad axe "Kosum" {antimagic,
                  | rC+}.
 20032 | D:14     | 20032 ||| SWAPPING to +6 heavy broad axe.
 20033 | D:14     | 20033 ||| SWAPPING to +9 broad axe "Kosum" {antimagic,
                  | rC+}.
 20034 | D:14     | 20034 ||| SWAPPING to +6 heavy broad axe.
 20035 | D:14     | 20035 ||| SWAPPING to +9 broad axe "Kosum" {antimagic,
                  | rC+}.
 20036 | D:14     | 20036 ||| SWAPPING to +6 heavy broad axe.
 20037 | D:14     | 20037 ||| SWAPPING to +9 broad axe "Kosum" {antimagic,
                  | rC+}.
 20038 | D:14     | 20038 ||| SWAPPING to +6 heavy broad axe.
 20039 | D:14     | 20039 ||| SWAPPING to +9 broad axe "Kosum" {antimagic,
                  | rC+}.
 20040 | D:14     | 20040 ||| SWAPPING to +6 heavy broad axe.
 20041 | D:14     | 20041 ||| SWAPPING to +9 broad axe "Kosum" {antimagic,
                  | rC+}.
 20042 | D:14     | 20042 ||| SWAPPING to +6 heavy broad axe.
 20043 | D:14     | 20043 ||| SWAPPING to +9 broad axe "Kosum" {antimagic,
                  | rC+}.
 20044 | D:14     | 20044 ||| SWAPPING to +6 heavy broad axe.
 20045 | D:14     | 20045 ||| SWAPPING to +9 broad axe "Kosum" {antimagic,
                  | rC+}.
 20046 | D:14     | 20046 ||| SWAPPING to +6 heavy broad axe.
 20047 | D:14     | 20047 ||| SWAPPING to +9 broad axe "Kosum" {antimagic,
                  | rC+}.
 20048 | D:14     | 20048 ||| SWAPPING to +6 heavy broad axe.
 20049 | D:14     | 20049 ||| SWAPPING to +9 broad axe "Kosum" {antimagic,
                  | rC+}.
 20050 | D:14     | 20050 ||| SWAPPING to +6 heavy broad axe.
 20051 | D:14     | 20051 ||| SWAPPING to +9 broad axe "Kosum" {antimagic,
                  | rC+}.
 20052 | D:14     | 20052 ||| SWAPPING to +6 heavy broad axe.
 20053 | D:14     | 20053 ||| SWAPPING to +9 broad axe "Kosum" {antimagic,
                  | rC+}.
 20054 | D:14     | 20054 ||| SWAPPING to +6 heavy broad axe.
 20055 | D:14     | 20055 ||| SWAPPING to +9 broad axe "Kosum" {antimagic,
                  | rC+}.
 20056 | D:14     | 20056 ||| SWAPPING to +6 heavy broad axe.
 20057 | D:14     | 20057 ||| SWAPPING to +9 broad axe "Kosum" {antimagic,
                  | rC+}.
 20058 | D:14     | 20058 ||| SWAPPING to +6 heavy broad axe.
 20059 | D:14     | 20059 ||| SWAPPING to +9 broad axe "Kosum" {antimagic,
                  | rC+}.
 20060 | D:14     | 20060 ||| SWAPPING to +6 heavy broad axe.
 20061 | D:14     | 20061 ||| SWAPPING to +9 broad axe "Kosum" {antimagic,
                  | rC+}.
 20062 | D:14     | 20062 ||| SWAPPING to +6 heavy broad axe.
 20063 | D:14     | 20063 ||| SWAPPING to +9 broad axe "Kosum" {antimagic,
                  | rC+}.
 20064 | D:14     | 20064 ||| SWAPPING to +6 heavy broad axe.
 20065 | D:14     | 20065 ||| SWAPPING to +9 broad axe "Kosum" {antimagic,
                  | rC+}.
 20066 | D:14     | 20066 ||| SWAPPING to +6 heavy broad axe.
 20067 | D:14     | 20067 ||| SWAPPING to +9 broad axe "Kosum" {antimagic,
                  | rC+}.
 20068 | D:14     | 20068 ||| SWAPPING to +6 heavy broad axe.
 20069 | D:14     | 20069 ||| SWAPPING to +9 broad axe "Kosum" {antimagic,
                  | rC+}.
 20070 | D:14     | 20070 ||| SWAPPING to +6 heavy broad axe.
 20071 | D:14     | 20071 ||| SWAPPING to +9 broad axe "Kosum" {antimagic,
                  | rC+}.
 20072 | D:14     | 20072 ||| SWAPPING to +6 heavy broad axe.
 20073 | D:14     | 20073 ||| SWAPPING to +9 broad axe "Kosum" {antimagic,
                  | rC+}.
 20074 | D:14     | 20074 ||| SWAPPING to +6 heavy broad axe.
 20075 | D:14     | 20075 ||| SWAPPING to +9 broad axe "Kosum" {antimagic,
                  | rC+}.
 20076 | D:14     | 20076 ||| SWAPPING to +6 heavy broad axe.
 20077 | D:14     | 20077 ||| SWAPPING to +9 broad axe "Kosum" {antimagic,
                  | rC+}.
 20078 | D:14     | 20078 ||| SWAPPING to +6 heavy broad axe.
 20079 | D:14     | 20079 ||| SWAPPING to +9 broad axe "Kosum" {antimagic,
                  | rC+}.
 20080 | D:14     | 20080 ||| SWAPPING to +6 heavy broad axe.
 20081 | D:14     | 20081 ||| SWAPPING to +9 broad axe "Kosum" {antimagic,
                  | rC+}.
 20082 | D:14     | 20082 ||| SWAPPING to +6 heavy broad axe.
 20083 | D:14     | 20083 ||| SWAPPING to +9 broad axe "Kosum" {antimagic,
                  | rC+}.
 20084 | D:14     | 20084 ||| SWAPPING to +6 heavy broad axe.
 20085 | D:14     | 20085 ||| SWAPPING to +9 broad axe "Kosum" {antimagic,
                  | rC+}.
 20086 | D:14     | 20086 ||| SWAPPING to +6 heavy broad axe.
 20087 | D:14     | 20087 ||| SWAPPING to +9 broad axe "Kosum" {antimagic,
                  | rC+}.
 20088 | D:14     | 20088 ||| SWAPPING to +6 heavy broad axe.
 20089 | D:14     | 20089 ||| SWAPPING to +9 broad axe "Kosum" {antimagic,
                  | rC+}.
 20090 | D:14     | 20090 ||| SWAPPING to +6 heavy broad axe.
 20091 | D:14     | 20091 ||| SWAPPING to +9 broad axe "Kosum" {antimagic,
                  | rC+}.
 20092 | D:14     | 20092 ||| SWAPPING to +6 heavy broad axe.
 20093 | D:14     | 20093 ||| SWAPPING to +9 broad axe "Kosum" {antimagic,
                  | rC+}.
 20094 | D:14     | 20094 ||| SWAPPING to +6 heavy broad axe.
 20095 | D:14     | 20095 ||| SWAPPING to +9 broad axe "Kosum" {antimagic,
                  | rC+}.
 20096 | D:14     | 20096 ||| SWAPPING to +6 heavy broad axe.
 20097 | D:14     | 20097 ||| SWAPPING to +9 broad axe "Kosum" {antimagic,
                  | rC+}.
 20098 | D:14     | 20098 ||| SWAPPING to +6 heavy broad axe.
 20099 | D:14     | 20099 ||| SWAPPING to +9 broad axe "Kosum" {antimagic,
                  | rC+}.
 20100 | D:14     | 20100 ||| SWAPPING to +6 heavy broad axe.
 20101 | D:14     | 20101 ||| SWAPPING to +9 broad axe "Kosum" {antimagic,
                  | rC+}.
 20102 | D:14     | 20102 ||| SWAPPING to +6 heavy broad axe.
 20103 | D:14     | 20103 ||| SWAPPING to +9 broad axe "Kosum" {antimagic,
                  | rC+}.
 20104 | D:14     | 20104 ||| SWAPPING to +6 heavy broad axe.
 20105 | D:14     | 20105 ||| SWAPPING to +9 broad axe "Kosum" {antimagic,
                  | rC+}.
 20106 | D:14     | 20106 ||| SWAPPING to +6 heavy broad axe.
 20107 | D:14     | 20107 ||| SWAPPING to +9 broad axe "Kosum" {antimagic,
                  | rC+}.
 20108 | D:14     | 20108 ||| SWAPPING to +6 heavy broad axe.
 20109 | D:14     | 20109 ||| SWAPPING to +9 broad axe "Kosum" {antimagic,
                  | rC+}.
 20110 | D:14     | 20110 ||| SWAPPING to +6 heavy broad axe.
 20111 | D:14     | 20111 ||| SWAPPING to +9 broad axe "Kosum" {antimagic,
                  | rC+}.
 20112 | D:14     | 20112 ||| SWAPPING to +6 heavy broad axe.
 20113 | D:14     | 20113 ||| SWAPPING to +9 broad axe "Kosum" {antimagic,
                  | rC+}.
 20114 | D:14     | 20114 ||| SWAPPING to +6 heavy broad axe.
 20115 | D:14     | 20115 ||| SWAPPING to +9 broad axe "Kosum" {antimagic,
                  | rC+}.
 20116 | D:14     | 20116 ||| SWAPPING to +6 heavy broad axe.
 20117 | D:14     | 20117 ||| SWAPPING to +9 broad axe "Kosum" {antimagic,
                  | rC+}.
 20118 | D:14     | 20118 ||| SWAPPING to +6 heavy broad axe.
 20119 | D:14     | 20119 ||| SWAPPING to +9 broad axe "Kosum" {antimagic,
                  | rC+}.
 20120 | D:14     | 20120 ||| SWAPPING to +6 heavy broad axe.
 20121 | D:14     | 20121 ||| SWAPPING to +9 broad axe "Kosum" {antimagic,
                  | rC+}.
 20122 | D:14     | 20122 ||| SWAPPING to +6 heavy broad axe.
 20123 | D:14     | 20123 ||| SWAPPING to +9 broad axe "Kosum" {antimagic,
                  | rC+}.
 20124 | D:14     | 20124 ||| SWAPPING to +6 heavy broad axe.
 20125 | D:14     | 20125 ||| SWAPPING to +9 broad axe "Kosum" {antimagic,
                  | rC+}.
 20126 | D:14     | 20126 ||| SWAPPING to +6 heavy broad axe.
 20127 | D:14     | 20127 ||| SWAPPING to +9 broad axe "Kosum" {antimagic,
                  | rC+}.
 20128 | D:14     | 20128 ||| SWAPPING to +6 heavy broad axe.
 20129 | D:14     | 20129 ||| SWAPPING to +9 broad axe "Kosum" {antimagic,
                  | rC+}.
 20130 | D:14     | 20130 ||| SWAPPING to +6 heavy broad axe.
 20131 | D:14     | 20131 ||| SWAPPING to +9 broad axe "Kosum" {antimagic,
                  | rC+}.
 20132 | D:14     | 20132 ||| SWAPPING to +6 heavy broad axe.
 20133 | D:14     | 20133 ||| SWAPPING to +9 broad axe "Kosum" {antimagic,
                  | rC+}.
 20134 | D:14     | 20134 ||| SWAPPING to +6 heavy broad axe.
 20135 | D:14     | 20135 ||| SWAPPING to +9 broad axe "Kosum" {antimagic,
                  | rC+}.
 20136 | D:14     | 20136 ||| SWAPPING to +6 heavy broad axe.
 20137 | D:14     | 20137 ||| SWAPPING to +9 broad axe "Kosum" {antimagic,
                  | rC+}.
 20138 | D:14     | 20138 ||| SWAPPING to +6 heavy broad axe.
 20139 | D:14     | 20139 ||| SWAPPING to +9 broad axe "Kosum" {antimagic,
                  | rC+}.
 20140 | D:14     | 20140 ||| SWAPPING to +6 heavy broad axe.
 20141 | D:14     | 20141 ||| SWAPPING to +9 broad axe "Kosum" {antimagic,
                  | rC+}.
 20142 | D:14     | 20142 ||| SWAPPING to +6 heavy broad axe.
 20143 | D:14     | 20143 ||| SWAPPING to +9 broad axe "Kosum" {antimagic,
                  | rC+}.
 20144 | D:14     | 20144 ||| SWAPPING to +6 heavy broad axe.
 20145 | D:14     | 20145 ||| SWAPPING to +9 broad axe "Kosum" {antimagic,
                  | rC+}.
 20146 | D:14     | 20146 ||| SWAPPING to +6 heavy broad axe.
 20147 | D:14     | 20147 ||| SWAPPING to +9 broad axe "Kosum" {antimagic,
                  | rC+}.
 20148 | D:14     | 20148 ||| SWAPPING to +6 heavy broad axe.
 20149 | D:14     | 20149 ||| SWAPPING to +9 broad axe "Kosum" {antimagic,
                  | rC+}.
 20150 | D:14     | 20150 ||| SWAPPING to +6 heavy broad axe.
 20151 | D:14     | 20151 ||| SWAPPING to +9 broad axe "Kosum" {antimagic,
                  | rC+}.
 20152 | D:14     | 20152 ||| SWAPPING to +6 heavy broad axe.
 20153 | D:14     | 20153 ||| SWAPPING to +9 broad axe "Kosum" {antimagic,
                  | rC+}.
 20154 | D:14     | 20154 ||| SWAPPING to +6 heavy broad axe.
 20155 | D:14     | 20155 ||| SWAPPING to +9 broad axe "Kosum" {antimagic,
                  | rC+}.
 20156 | D:14     | 20156 ||| SWAPPING to +6 heavy broad axe.
 20157 | D:14     | 20157 ||| SWAPPING to +9 broad axe "Kosum" {antimagic,
                  | rC+}.
 20158 | D:14     | 20158 ||| SWAPPING to +6 heavy broad axe.
 20159 | D:14     | 20159 ||| SWAPPING to +9 broad axe "Kosum" {antimagic,
                  | rC+}.
 20160 | D:14     | 20160 ||| SWAPPING to +6 heavy broad axe.
 20161 | D:14     | 20161 ||| SWAPPING to +9 broad axe "Kosum" {antimagic,
                  | rC+}.
 20162 | D:14     | 20162 ||| SWAPPING to +6 heavy broad axe.
 20163 | D:14     | 20163 ||| SWAPPING to +9 broad axe "Kosum" {antimagic,
                  | rC+}.
 20164 | D:14     | 20164 ||| SWAPPING to +6 heavy broad axe.
 20165 | D:14     | 20165 ||| SWAPPING to +9 broad axe "Kosum" {antimagic,
                  | rC+}.
 20166 | D:14     | 20166 ||| SWAPPING to +6 heavy broad axe.
 20167 | D:14     | 20167 ||| SWAPPING to +9 broad axe "Kosum" {antimagic,
                  | rC+}.
 20168 | D:14     | 20168 ||| SWAPPING to +6 heavy broad axe.
 20169 | D:14     | 20169 ||| SWAPPING to +9 broad axe "Kosum" {antimagic,
                  | rC+}.
 20170 | D:14     | 20170 ||| SWAPPING to +6 heavy broad axe.
 20171 | D:14     | 20171 ||| SWAPPING to +9 broad axe "Kosum" {antimagic,
                  | rC+}.
 20172 | D:14     | 20172 ||| SWAPPING to +6 heavy broad axe.
 20173 | D:14     | 20173 ||| SWAPPING to +9 broad axe "Kosum" {antimagic,
                  | rC+}.
 20174 | D:14     | 20174 ||| SWAPPING to +6 heavy broad axe.
 20175 | D:14     | 20175 ||| SWAPPING to +9 broad axe "Kosum" {antimagic,
                  | rC+}.
 20176 | D:14     | 20176 ||| SWAPPING to +6 heavy broad axe.
 20177 | D:14     | 20177 ||| SWAPPING to +9 broad axe "Kosum" {antimagic,
                  | rC+}.
 20178 | D:14     | 20178 ||| SWAPPING to +6 heavy broad axe.
 20179 | D:14     | 20179 ||| SWAPPING to +9 broad axe "Kosum" {antimagic,
                  | rC+}.
 20180 | D:14     | 20180 ||| SWAPPING to +6 heavy broad axe.
 20181 | D:14     | 20181 ||| SWAPPING to +9 broad axe "Kosum" {antimagic,
                  | rC+}.
 20182 | D:14     | 20182 ||| SWAPPING to +6 heavy broad axe.
 20183 | D:14     | 20183 ||| SWAPPING to +9 broad axe "Kosum" {antimagic,
                  | rC+}.
 20184 | D:14     | 20184 ||| SWAPPING to +6 heavy broad axe.
 20185 | D:14     | 20185 ||| SWAPPING to +9 broad axe "Kosum" {antimagic,
                  | rC+}.
 20186 | D:14     | 20186 ||| SWAPPING to +6 heavy broad axe.
 20187 | D:14     | 20187 ||| SWAPPING to +9 broad axe "Kosum" {antimagic,
                  | rC+}.
 20188 | D:14     | 20188 ||| SWAPPING to +6 heavy broad axe.
 20189 | D:14     | 20189 ||| SWAPPING to +9 broad axe "Kosum" {antimagic,
                  | rC+}.
 20190 | D:14     | 20190 ||| SWAPPING to +6 heavy broad axe.
 20191 | D:14     | 20191 ||| SWAPPING to +9 broad axe "Kosum" {antimagic,
                  | rC+}.
 20192 | D:14     | 20192 ||| SWAPPING to +6 heavy broad axe.
 20193 | D:14     | 20193 ||| SWAPPING to +9 broad axe "Kosum" {antimagic,
                  | rC+}.
 20194 | D:14     | 20194 ||| SWAPPING to +6 heavy broad axe.
 20195 | D:14     | 20195 ||| SWAPPING to +9 broad axe "Kosum" {antimagic,
                  | rC+}.
 20196 | D:14     | 20196 ||| SWAPPING to +6 heavy broad axe.
 20197 | D:14     | 20197 ||| SWAPPING to +9 broad axe "Kosum" {antimagic,
                  | rC+}.
 20198 | D:14     | 20198 ||| SWAPPING to +6 heavy broad axe.
 20199 | D:14     | 20199 ||| SWAPPING to +9 broad axe "Kosum" {antimagic,
                  | rC+}.
 20200 | D:14     | 20200 ||| SWAPPING to +6 heavy broad axe.
 20201 | D:14     | 20201 ||| SWAPPING to +9 broad axe "Kosum" {antimagic,
                  | rC+}.
 20202 | D:14     | 20202 ||| SWAPPING to +6 heavy broad axe.
 20203 | D:14     | 20203 ||| SWAPPING to +9 broad axe "Kosum" {antimagic,
                  | rC+}.
 20204 | D:14     | 20204 ||| SWAPPING to +6 heavy broad axe.
 20205 | D:14     | 20205 ||| SWAPPING to +9 broad axe "Kosum" {antimagic,
                  | rC+}.
 20206 | D:14     | 20206 ||| SWAPPING to +6 heavy broad axe.
 20207 | D:14     | 20207 ||| SWAPPING to +9 broad axe "Kosum" {antimagic,
                  | rC+}.
 20208 | D:14     | 20208 ||| SWAPPING to +6 heavy broad axe.
 20209 | D:14     | 20209 ||| SWAPPING to +9 broad axe "Kosum" {antimagic,
                  | rC+}.
 20210 | D:14     | 20210 ||| SWAPPING to +6 heavy broad axe.
 20211 | D:14     | 20211 ||| SWAPPING to +9 broad axe "Kosum" {antimagic,
                  | rC+}.
 20212 | D:14     | 20212 ||| SWAPPING to +6 heavy broad axe.
 20213 | D:14     | 20213 ||| SWAPPING to +9 broad axe "Kosum" {antimagic,
                  | rC+}.
 20214 | D:14     | 20214 ||| SWAPPING to +6 heavy broad axe.
 20215 | D:14     | 20215 ||| SWAPPING to +9 broad axe "Kosum" {antimagic,
                  | rC+}.
 20216 | D:14     | 20216 ||| SWAPPING to +6 heavy broad axe.
 20217 | D:14     | 20217 ||| SWAPPING to +9 broad axe "Kosum" {antimagic,
                  | rC+}.
 20218 | D:14     | 20218 ||| SWAPPING to +6 heavy broad axe.
 20219 | D:14     | 20219 ||| SWAPPING to +9 broad axe "Kosum" {antimagic,
                  | rC+}.
 20220 | D:14     | 20220 ||| SWAPPING to +6 heavy broad axe.
 20221 | D:14     | 20221 ||| SWAPPING to +9 broad axe "Kosum" {antimagic,
                  | rC+}.
 20222 | D:14     | 20222 ||| SWAPPING to +6 heavy broad axe.
 20223 | D:14     | 20223 ||| SWAPPING to +9 broad axe "Kosum" {antimagic,
                  | rC+}.
 20224 | D:14     | 20224 ||| SWAPPING to +6 heavy broad axe.
 20225 | D:14     | 20225 ||| SWAPPING to +9 broad axe "Kosum" {antimagic,
                  | rC+}.
 20226 | D:14     | 20226 ||| SWAPPING to +6 heavy broad axe.
 20227 | D:14     | 20227 ||| SWAPPING to +9 broad axe "Kosum" {antimagic,
                  | rC+}.
 20228 | D:14     | 20228 ||| SWAPPING to +6 heavy broad axe.
 20229 | D:14     | 20229 ||| SWAPPING to +9 broad axe "Kosum" {antimagic,
                  | rC+}.
 20230 | D:14     | 20230 ||| SWAPPING to +6 heavy broad axe.
 20231 | D:14     | 20231 ||| SWAPPING to +9 broad axe "Kosum" {antimagic,
                  | rC+}.
 20232 | D:14     | 20232 ||| SWAPPING to +6 heavy broad axe.
 20233 | D:14     | 20233 ||| SWAPPING to +9 broad axe "Kosum" {antimagic,
                  | rC+}.
 20234 | D:14     | 20234 ||| SWAPPING to +6 heavy broad axe.
 20235 | D:14     | 20235 ||| SWAPPING to +9 broad axe "Kosum" {antimagic,
                  | rC+}.
 20236 | D:14     | 20236 ||| SWAPPING to +6 heavy broad axe.
 20237 | D:14     | 20237 ||| SWAPPING to +9 broad axe "Kosum" {antimagic,
                  | rC+}.
 20238 | D:14     | 20238 ||| SWAPPING to +6 heavy broad axe.
 20239 | D:14     | 20239 ||| SWAPPING to +9 broad axe "Kosum" {antimagic,
                  | rC+}.
 20240 | D:14     | 20240 ||| SWAPPING to +6 heavy broad axe.
 20241 | D:14     | 20241 ||| SWAPPING to +9 broad axe "Kosum" {antimagic,
                  | rC+}.
 20242 | D:14     | 20242 ||| SWAPPING to +6 heavy broad axe.
 20243 | D:14     | 20243 ||| SWAPPING to +9 broad axe "Kosum" {antimagic,
                  | rC+}.
 20244 | D:14     | 20244 ||| SWAPPING to +6 heavy broad axe.
 20245 | D:14     | 20245 ||| SWAPPING to +9 broad axe "Kosum" {antimagic,
                  | rC+}.
 20246 | D:14     | 20246 ||| SWAPPING to +6 heavy broad axe.
 20247 | D:14     | 20247 ||| SWAPPING to +9 broad axe "Kosum" {antimagic,
                  | rC+}.
 20248 | D:14     | 20248 ||| SWAPPING to +6 heavy broad axe.
 20249 | D:14     | 20249 ||| SWAPPING to +9 broad axe "Kosum" {antimagic,
                  | rC+}.
 20250 | D:14     | 20250 ||| SWAPPING to +6 heavy broad axe.
 20251 | D:14     | 20251 ||| SWAPPING to +9 broad axe "Kosum" {antimagic,
                  | rC+}.
 20252 | D:14     | 20252 ||| SWAPPING to +6 heavy broad axe.
 20253 | D:14     | 20253 ||| SWAPPING to +9 broad axe "Kosum" {antimagic,
                  | rC+}.
 20254 | D:14     | 20254 ||| SWAPPING to +6 heavy broad axe.
 20255 | D:14     | 20255 ||| SWAPPING to +9 broad axe "Kosum" {antimagic,
                  | rC+}.
 20256 | D:14     | 20256 ||| SWAPPING to +6 heavy broad axe.
 20257 | D:14     | 20257 ||| SWAPPING to +9 broad axe "Kosum" {antimagic,
                  | rC+}.
 20258 | D:14     | 20258 ||| SWAPPING to +6 heavy broad axe.
 20259 | D:14     | 20259 ||| SWAPPING to +9 broad axe "Kosum" {antimagic,
                  | rC+}.
 20260 | D:14     | 20260 ||| SWAPPING to +6 heavy broad axe.
 20261 | D:14     | 20261 ||| SWAPPING to +9 broad axe "Kosum" {antimagic,
                  | rC+}.
 20262 | D:14     | 20262 ||| SWAPPING to +6 heavy broad axe.
 20263 | D:14     | 20263 ||| SWAPPING to +9 broad axe "Kosum" {antimagic,
                  | rC+}.
 20264 | D:14     | 20264 ||| SWAPPING to +6 heavy broad axe.
 20265 | D:14     | 20265 ||| SWAPPING to +9 broad axe "Kosum" {antimagic,
                  | rC+}.
 20266 | D:14     | 20266 ||| SWAPPING to +6 heavy broad axe.
 20267 | D:14     | 20267 ||| SWAPPING to +9 broad axe "Kosum" {antimagic,
                  | rC+}.
 20268 | D:14     | 20268 ||| SWAPPING to +6 heavy broad axe.
 20269 | D:14     | 20269 ||| SWAPPING to +9 broad axe "Kosum" {antimagic,
                  | rC+}.
 20270 | D:14     | 20270 ||| SWAPPING to +6 heavy broad axe.
 20271 | D:14     | 20271 ||| SWAPPING to +9 broad axe "Kosum" {antimagic,
                  | rC+}.
 20272 | D:14     | 20272 ||| SWAPPING to +6 heavy broad axe.
 20273 | D:14     | 20273 ||| SWAPPING to +9 broad axe "Kosum" {antimagic,
                  | rC+}.
 20274 | D:14     | 20274 ||| SWAPPING to +6 heavy broad axe.
 20275 | D:14     | 20275 ||| SWAPPING to +9 broad axe "Kosum" {antimagic,
                  | rC+}.
 20276 | D:14     | 20276 ||| SWAPPING to +6 heavy broad axe.
 20277 | D:14     | 20277 ||| SWAPPING to +9 broad axe "Kosum" {antimagic,
                  | rC+}.
 20278 | D:14     | 20278 ||| SWAPPING to +6 heavy broad axe.
 20279 | D:14     | 20279 ||| SWAPPING to +9 broad axe "Kosum" {antimagic,
                  | rC+}.
 20280 | D:14     | 20280 ||| SWAPPING to +6 heavy broad axe.
 20281 | D:14     | 20281 ||| SWAPPING to +9 broad axe "Kosum" {antimagic,
                  | rC+}.
 20282 | D:14     | 20282 ||| SWAPPING to +6 heavy broad axe.
 20283 | D:14     | 20283 ||| SWAPPING to +9 broad axe "Kosum" {antimagic,
                  | rC+}.
 20284 | D:14     | 20284 ||| SWAPPING to +6 heavy broad axe.
 20285 | D:14     | 20285 ||| SWAPPING to +9 broad axe "Kosum" {antimagic,
                  | rC+}.
 20286 | D:14     | 20286 ||| SWAPPING to +6 heavy broad axe.
 20287 | D:14     | 20287 ||| SWAPPING to +9 broad axe "Kosum" {antimagic,
                  | rC+}.
 20288 | D:14     | 20288 ||| SWAPPING to +6 heavy broad axe.
 20289 | D:14     | 20289 ||| SWAPPING to +9 broad axe "Kosum" {antimagic,
                  | rC+}.
 20290 | D:14     | 20290 ||| SWAPPING to +6 heavy broad axe.
 20291 | D:14     | 20291 ||| SWAPPING to +9 broad axe "Kosum" {antimagic,
                  | rC+}.
 20292 | D:14     | 20292 ||| SWAPPING to +6 heavy broad axe.
 20293 | D:14     | 20293 ||| SWAPPING to +9 broad axe "Kosum" {antimagic,
                  | rC+}.
 20294 | D:14     | 20294 ||| SWAPPING to +6 heavy broad axe.
 20295 | D:14     | 20295 ||| SWAPPING to +9 broad axe "Kosum" {antimagic,
                  | rC+}.
 20296 | D:14     | 20296 ||| SWAPPING to +6 heavy broad axe.
 20297 | D:14     | 20297 ||| SWAPPING to +9 broad axe "Kosum" {antimagic,
                  | rC+}.
 20298 | D:14     | 20298 ||| SWAPPING to +6 heavy broad axe.
 20299 | D:14     | 20299 ||| SWAPPING to +9 broad axe "Kosum" {antimagic,
                  | rC+}.
 20300 | D:14     | 20300 ||| SWAPPING to +6 heavy broad axe.
 20301 | D:14     | 20301 ||| SWAPPING to +9 broad axe "Kosum" {antimagic,
                  | rC+}.
 20302 | D:14     | 20302 ||| SWAPPING to +6 heavy broad axe.
 20303 | D:14     | 20303 ||| SWAPPING to +9 broad axe "Kosum" {antimagic,
                  | rC+}.
 20304 | D:14     | 20304 ||| SWAPPING to +6 heavy broad axe.
 20305 | D:14     | 20305 ||| SWAPPING to +9 broad axe "Kosum" {antimagic,
                  | rC+}.
 20306 | D:14     | 20306 ||| SWAPPING to +6 heavy broad axe.
 20307 | D:14     | 20307 ||| SWAPPING to +9 broad axe "Kosum" {antimagic,
                  | rC+}.
 20308 | D:14     | 20308 ||| SWAPPING to +6 heavy broad axe.
 20309 | D:14     | 20309 ||| SWAPPING to +9 broad axe "Kosum" {antimagic,
                  | rC+}.
 20310 | D:14     | 20310 ||| SWAPPING to +6 heavy broad axe.
 20311 | D:14     | 20311 ||| SWAPPING to +9 broad axe "Kosum" {antimagic,
                  | rC+}.
 20312 | D:14     | 20312 ||| SWAPPING to +6 heavy broad axe.
 20313 | D:14     | 20313 ||| SWAPPING to +9 broad axe "Kosum" {antimagic,
                  | rC+}.
 20314 | D:14     | 20314 ||| SWAPPING to +6 heavy broad axe.
 20315 | D:14     | 20315 ||| SWAPPING to +9 broad axe "Kosum" {antimagic,
                  | rC+}.
 20316 | D:14     | 20316 ||| SWAPPING to +6 heavy broad axe.
 20317 | D:14     | 20317 ||| SWAPPING to +9 broad axe "Kosum" {antimagic,
                  | rC+}.
 20318 | D:14     | 20318 ||| SWAPPING to +6 heavy broad axe.
 20319 | D:14     | 20319 ||| SWAPPING to +9 broad axe "Kosum" {antimagic,
                  | rC+}.
 20320 | D:14     | 20320 ||| SWAPPING to +6 heavy broad axe.
 20321 | D:14     | 20321 ||| SWAPPING to +9 broad axe "Kosum" {antimagic,
                  | rC+}.
 20322 | D:14     | 20322 ||| SWAPPING to +6 heavy broad axe.
 20323 | D:14     | 20323 ||| SWAPPING to +9 broad axe "Kosum" {antimagic,
                  | rC+}.
 20324 | D:14     | 20324 ||| SWAPPING to +6 heavy broad axe.
 20325 | D:14     | 20325 ||| SWAPPING to +9 broad axe "Kosum" {antimagic,
                  | rC+}.
 20326 | D:14     | 20326 ||| SWAPPING to +6 heavy broad axe.
 20327 | D:14     | 20327 ||| SWAPPING to +9 broad axe "Kosum" {antimagic,
                  | rC+}.
 20328 | D:14     | 20328 ||| SWAPPING to +6 heavy broad axe.
 20329 | D:14     | 20329 ||| SWAPPING to +9 broad axe "Kosum" {antimagic,
                  | rC+}.
 20330 | D:14     | 20330 ||| SWAPPING to +6 heavy broad axe.
 20331 | D:14     | 20331 ||| SWAPPING to +9 broad axe "Kosum" {antimagic,
                  | rC+}.
 20332 | D:14     | 20332 ||| SWAPPING to +6 heavy broad axe.
 20333 | D:14     | 20333 ||| SWAPPING to +9 broad axe "Kosum" {antimagic,
                  | rC+}.
 20334 | D:14     | 20334 ||| SWAPPING to +6 heavy broad axe.
 20335 | D:14     | 20335 ||| SWAPPING to +9 broad axe "Kosum" {antimagic,
                  | rC+}.
 20336 | D:14     | 20336 ||| SWAPPING to +6 heavy broad axe.
 20337 | D:14     | 20337 ||| SWAPPING to +9 broad axe "Kosum" {antimagic,
                  | rC+}.
 20338 | D:14     | 20338 ||| SWAPPING to +6 heavy broad axe.
 20339 | D:14     | 20339 ||| SWAPPING to +9 broad axe "Kosum" {antimagic,
                  | rC+}.
 20340 | D:14     | 20340 ||| SWAPPING to +6 heavy broad axe.
 20341 | D:14     | 20341 ||| SWAPPING to +9 broad axe "Kosum" {antimagic,
                  | rC+}.
 20342 | D:14     | 20342 ||| SWAPPING to +6 heavy broad axe.
 20343 | D:14     | 20343 ||| SWAPPING to +9 broad axe "Kosum" {antimagic,
                  | rC+}.
 20344 | D:14     | 20344 ||| SWAPPING to +6 heavy broad axe.
 20345 | D:14     | 20345 ||| SWAPPING to +9 broad axe "Kosum" {antimagic,
                  | rC+}.
 20346 | D:14     | 20346 ||| SWAPPING to +6 heavy broad axe.
 20347 | D:14     | 20347 ||| SWAPPING to +9 broad axe "Kosum" {antimagic,
                  | rC+}.
 20348 | D:14     | 20348 ||| SWAPPING to +6 heavy broad axe.
 20349 | D:14     | 20349 ||| SWAPPING to +9 broad axe "Kosum" {antimagic,
                  | rC+}.
 20350 | D:14     | 20350 ||| SWAPPING to +6 heavy broad axe.
 20351 | D:14     | 20351 ||| SWAPPING to +9 broad axe "Kosum" {antimagic,
                  | rC+}.
 20352 | D:14     | 20352 ||| SWAPPING to +6 heavy broad axe.
 20353 | D:14     | 20353 ||| SWAPPING to +9 broad axe "Kosum" {antimagic,
                  | rC+}.
 20354 | D:14     | 20354 ||| SWAPPING to +6 heavy broad axe.
 20355 | D:14     | 20355 ||| SWAPPING to +9 broad axe "Kosum" {antimagic,
                  | rC+}.
 20356 | D:14     | 20356 ||| SWAPPING to +6 heavy broad axe.
 20357 | D:14     | 20357 ||| SWAPPING to +9 broad axe "Kosum" {antimagic,
                  | rC+}.
 20358 | D:14     | 20358 ||| SWAPPING to +6 heavy broad axe.
 20359 | D:14     | 20359 ||| SWAPPING to +9 broad axe "Kosum" {antimagic,
                  | rC+}.
 20360 | D:14     | 20360 ||| SWAPPING to +6 heavy broad axe.
 20361 | D:14     | 20361 ||| SWAPPING to +9 broad axe "Kosum" {antimagic,
                  | rC+}.
 20362 | D:14     | 20362 ||| SWAPPING to +6 heavy broad axe.
 20363 | D:14     | 20363 ||| SWAPPING to +9 broad axe "Kosum" {antimagic,
                  | rC+}.
 20364 | D:14     | 20364 ||| SWAPPING to +6 heavy broad axe.
 20365 | D:14     | 20365 ||| SWAPPING to +9 broad axe "Kosum" {antimagic,
                  | rC+}.
 20366 | D:14     | 20366 ||| SWAPPING to +6 heavy broad axe.
 20367 | D:14     | 20367 ||| SWAPPING to +9 broad axe "Kosum" {antimagic,
                  | rC+}.
 20368 | D:14     | 20368 ||| SWAPPING to +6 heavy broad axe.
 20369 | D:14     | 20369 ||| SWAPPING to +9 broad axe "Kosum" {antimagic,
                  | rC+}.
 20370 | D:14     | 20370 ||| SWAPPING to +6 heavy broad axe.
 20371 | D:14     | 20371 ||| SWAPPING to +9 broad axe "Kosum" {antimagic,
                  | rC+}.
 20372 | D:14     | 20372 ||| SWAPPING to +6 heavy broad axe.
 20373 | D:14     | 20373 ||| SWAPPING to +9 broad axe "Kosum" {antimagic,
                  | rC+}.
 20374 | D:14     | 20374 ||| SWAPPING to +6 heavy broad axe.
 20375 | D:14     | 20375 ||| SWAPPING to +9 broad axe "Kosum" {antimagic,
                  | rC+}.
 20376 | D:14     | 20376 ||| SWAPPING to +6 heavy broad axe.
 20377 | D:14     | 20377 ||| SWAPPING to +9 broad axe "Kosum" {antimagic,
                  | rC+}.
 20378 | D:14     | 20378 ||| SWAPPING to +6 heavy broad axe.
 20379 | D:14     | 20379 ||| SWAPPING to +9 broad axe "Kosum" {antimagic,
                  | rC+}.
 20380 | D:14     | 20380 ||| SWAPPING to +6 heavy broad axe.
 20381 | D:14     | 20381 ||| SWAPPING to +9 broad axe "Kosum" {antimagic,
                  | rC+}.
 20382 | D:14     | 20382 ||| SWAPPING to +6 heavy broad axe.
 20383 | D:14     | 20383 ||| SWAPPING to +9 broad axe "Kosum" {antimagic,
                  | rC+}.
 20384 | D:14     | 20384 ||| SWAPPING to +6 heavy broad axe.
 20385 | D:14     | 20385 ||| SWAPPING to +9 broad axe "Kosum" {antimagic,
                  | rC+}.
 20386 | D:14     | 20386 ||| SWAPPING to +6 heavy broad axe.
 20387 | D:14     | 20387 ||| SWAPPING to +9 broad axe "Kosum" {antimagic,
                  | rC+}.
 20388 | D:14     | 20388 ||| SWAPPING to +6 heavy broad axe.
 20389 | D:14     | 20389 ||| SWAPPING to +9 broad axe "Kosum" {antimagic,
                  | rC+}.
 20390 | D:14     | 20390 ||| SWAPPING to +6 heavy broad axe.
 20391 | D:14     | 20391 ||| SWAPPING to +9 broad axe "Kosum" {antimagic,
                  | rC+}.
 20392 | D:14     | 20392 ||| SWAPPING to +6 heavy broad axe.
 20393 | D:14     | 20393 ||| SWAPPING to +9 broad axe "Kosum" {antimagic,
                  | rC+}.
 20394 | D:14     | 20394 ||| SWAPPING to +6 heavy broad axe.
 20395 | D:14     | 20395 ||| SWAPPING to +9 broad axe "Kosum" {antimagic,
                  | rC+}.
 20396 | D:14     | 20396 ||| SWAPPING to +6 heavy broad axe.
 20397 | D:14     | 20397 ||| SWAPPING to +9 broad axe "Kosum" {antimagic,
                  | rC+}.
 20398 | D:14     | 20398 ||| SWAPPING to +6 heavy broad axe.
 20399 | D:14     | 20399 ||| SWAPPING to +9 broad axe "Kosum" {antimagic,
                  | rC+}.
 20400 | D:14     | 20400 ||| SWAPPING to +6 heavy broad axe.
 20401 | D:14     | 20401 ||| SWAPPING to +9 broad axe "Kosum" {antimagic,
                  | rC+}.
 20402 | D:14     | 20402 ||| SWAPPING to +6 heavy broad axe.
 20403 | D:14     | 20403 ||| SWAPPING to +9 broad axe "Kosum" {antimagic,
                  | rC+}.
 20404 | D:14     | 20404 ||| SWAPPING to +6 heavy broad axe.
 20405 | D:14     | 20405 ||| SWAPPING to +9 broad axe "Kosum" {antimagic,
                  | rC+}.
 20406 | D:14     | 20406 ||| SWAPPING to +6 heavy broad axe.
 20407 | D:14     | 20407 ||| SWAPPING to +9 broad axe "Kosum" {antimagic,
                  | rC+}.
 20408 | D:14     | 20408 ||| SWAPPING to +6 heavy broad axe.
 20409 | D:14     | 20409 ||| SWAPPING to +9 broad axe "Kosum" {antimagic,
                  | rC+}.
 20410 | D:14     | 20410 ||| SWAPPING to +6 heavy broad axe.
 20411 | D:14     | 20411 ||| SWAPPING to +9 broad axe "Kosum" {antimagic,
                  | rC+}.
 20412 | D:14     | 20412 ||| SWAPPING to +6 heavy broad axe.
 20413 | D:14     | 20413 ||| SWAPPING to +9 broad axe "Kosum" {antimagic,
                  | rC+}.
 20414 | D:14     | 20414 ||| SWAPPING to +6 heavy broad axe.
 20415 | D:14     | 20415 ||| SWAPPING to +9 broad axe "Kosum" {antimagic,
                  | rC+}.
 20416 | D:14     | 20416 ||| SWAPPING to +6 heavy broad axe.
 20417 | D:14     | 20417 ||| SWAPPING to +9 broad axe "Kosum" {antimagic,
                  | rC+}.
 20418 | D:14     | 20418 ||| SWAPPING to +6 heavy broad axe.
 20419 | D:14     | 20419 ||| SWAPPING to +9 broad axe "Kosum" {antimagic,
                  | rC+}.
 20420 | D:14     | 20420 ||| SWAPPING to +6 heavy broad axe.
 20421 | D:14     | 20421 ||| SWAPPING to +9 broad axe "Kosum" {antimagic,
                  | rC+}.
 20422 | D:14     | 20422 ||| SWAPPING to +6 heavy broad axe.
 20423 | D:14     | 20423 ||| SWAPPING to +9 broad axe "Kosum" {antimagic,
                  | rC+}.
 20424 | D:14     | 20424 ||| SWAPPING to +6 heavy broad axe.
 20425 | D:14     | 20425 ||| SWAPPING to +9 broad axe "Kosum" {antimagic,
                  | rC+}.
 20426 | D:14     | 20426 ||| SWAPPING to +6 heavy broad axe.
 20427 | D:14     | 20427 ||| SWAPPING to +9 broad axe "Kosum" {antimagic,
                  | rC+}.
 20428 | D:14     | 20428 ||| SWAPPING to +6 heavy broad axe.
 20429 | D:14     | 20429 ||| SWAPPING to +9 broad axe "Kosum" {antimagic,
                  | rC+}.
 20430 | D:14     | 20430 ||| SWAPPING to +6 heavy broad axe.
 20431 | D:14     | 20431 ||| SWAPPING to +9 broad axe "Kosum" {antimagic,
                  | rC+}.
 20432 | D:14     | 20432 ||| SWAPPING to +6 heavy broad axe.
 20433 | D:14     | 20433 ||| SWAPPING to +9 broad axe "Kosum" {antimagic,
                  | rC+}.
 20434 | D:14     | 20434 ||| SWAPPING to +6 heavy broad axe.
 20435 | D:14     | 20435 ||| SWAPPING to +9 broad axe "Kosum" {antimagic,
                  | rC+}.
 20436 | D:14     | 20436 ||| SWAPPING to +6 heavy broad axe.
 20437 | D:14     | 20437 ||| SWAPPING to +9 broad axe "Kosum" {antimagic,
                  | rC+}.
 20438 | D:14     | 20438 ||| SWAPPING to +6 heavy broad axe.
 20439 | D:14     | 20439 ||| SWAPPING to +9 broad axe "Kosum" {antimagic,
                  | rC+}.
 20440 | D:14     | 20440 ||| SWAPPING to +6 heavy broad axe.
 20441 | D:14     | 20441 ||| SWAPPING to +9 broad axe "Kosum" {antimagic,
                  | rC+}.
 20442 | D:14     | 20442 ||| SWAPPING to +6 heavy broad axe.
 20443 | D:14     | 20443 ||| SWAPPING to +9 broad axe "Kosum" {antimagic,
                  | rC+}.
 20444 | D:14     | 20444 ||| SWAPPING to +6 heavy broad axe.
 20445 | D:14     | 20445 ||| SWAPPING to +9 broad axe "Kosum" {antimagic,
                  | rC+}.
 20446 | D:14     | 20446 ||| SWAPPING to +6 heavy broad axe.
 20447 | D:14     | 20447 ||| SWAPPING to +9 broad axe "Kosum" {antimagic,
                  | rC+}.
 20448 | D:14     | 20448 ||| SWAPPING to +6 heavy broad axe.
 20449 | D:14     | 20449 ||| SWAPPING to +9 broad axe "Kosum" {antimagic,
                  | rC+}.
 20450 | D:14     | 20450 ||| SWAPPING to +6 heavy broad axe.
 20451 | D:14     | 20451 ||| SWAPPING to +9 broad axe "Kosum" {antimagic,
                  | rC+}.
 20452 | D:14     | 20452 ||| SWAPPING to +6 heavy broad axe.
 20453 | D:14     | 20453 ||| SWAPPING to +9 broad axe "Kosum" {antimagic,
                  | rC+}.
 20454 | D:14     | 20454 ||| SWAPPING to +6 heavy broad axe.
 20455 | D:14     | 20455 ||| SWAPPING to +9 broad axe "Kosum" {antimagic,
                  | rC+}.
 20456 | D:14     | 20456 ||| SWAPPING to +6 heavy broad axe.
 20457 | D:14     | 20457 ||| SWAPPING to +9 broad axe "Kosum" {antimagic,
                  | rC+}.
 20458 | D:14     | 20458 ||| SWAPPING to +6 heavy broad axe.
 20459 | D:14     | 20459 ||| SWAPPING to +9 broad axe "Kosum" {antimagic,
                  | rC+}.
 20460 | D:14     | 20460 ||| SWAPPING to +6 heavy broad axe.
 20461 | D:14     | 20461 ||| SWAPPING to +9 broad axe "Kosum" {antimagic,
                  | rC+}.
 20462 | D:14     | 20462 ||| SWAPPING to +6 heavy broad axe.
 20463 | D:14     | 20463 ||| SWAPPING to +9 broad axe "Kosum" {antimagic,
                  | rC+}.
 20464 | D:14     | 20464 ||| SWAPPING to +6 heavy broad axe.
 20465 | D:14     | 20465 ||| SWAPPING to +9 broad axe "Kosum" {antimagic,
                  | rC+}.
 20466 | D:14     | 20466 ||| SWAPPING to +6 heavy broad axe.
 20467 | D:14     | 20467 ||| SWAPPING to +9 broad axe "Kosum" {antimagic,
                  | rC+}.
 20468 | D:14     | 20468 ||| SWAPPING to +6 heavy broad axe.
 20469 | D:14     | 20469 ||| SWAPPING to +9 broad axe "Kosum" {antimagic,
                  | rC+}.
 20470 | D:14     | 20470 ||| SWAPPING to +6 heavy broad axe.
 20471 | D:14     | 20471 ||| SWAPPING to +9 broad axe "Kosum" {antimagic,
                  | rC+}.
 20472 | D:14     | 20472 ||| SWAPPING to +6 heavy broad axe.
 20473 | D:14     | 20473 ||| SWAPPING to +9 broad axe "Kosum" {antimagic,
                  | rC+}.
 20474 | D:14     | 20474 ||| SWAPPING to +6 heavy broad axe.
 20475 | D:14     | 20475 ||| SWAPPING to +9 broad axe "Kosum" {antimagic,
                  | rC+}.
 20476 | D:14     | 20476 ||| SWAPPING to +6 heavy broad axe.
 20477 | D:14     | 20477 ||| SWAPPING to +9 broad axe "Kosum" {antimagic,
                  | rC+}.
 20478 | D:14     | 20478 ||| SWAPPING to +6 heavy broad axe.
 20479 | D:14     | 20479 ||| SWAPPING to +9 broad axe "Kosum" {antimagic,
                  | rC+}.
 20480 | D:14     | 20480 ||| SWAPPING to +6 heavy broad axe.
 20481 | D:14     | 20481 ||| SWAPPING to +9 broad axe "Kosum" {antimagic,
                  | rC+}.
 20482 | D:14     | 20482 ||| SWAPPING to +6 heavy broad axe.
 20483 | D:14     | 20483 ||| SWAPPING to +9 broad axe "Kosum" {antimagic,
                  | rC+}.
 20484 | D:14     | 20484 ||| SWAPPING to +6 heavy broad axe.
 20485 | D:14     | 20485 ||| SWAPPING to +9 broad axe "Kosum" {antimagic,
                  | rC+}.
 20486 | D:14     | 20486 ||| SWAPPING to +6 heavy broad axe.
 20487 | D:14     | 20487 ||| SWAPPING to +9 broad axe "Kosum" {antimagic,
                  | rC+}.
 20488 | D:14     | 20488 ||| SWAPPING to +6 heavy broad axe.
 20489 | D:14     | 20489 ||| SWAPPING to +9 broad axe "Kosum" {antimagic,
                  | rC+}.
 20490 | D:14     | 20490 ||| SWAPPING to +6 heavy broad axe.
 20491 | D:14     | 20491 ||| SWAPPING to +9 broad axe "Kosum" {antimagic,
                  | rC+}.
 20492 | D:14     | 20492 ||| SWAPPING to +6 heavy broad axe.
 20493 | D:14     | 20493 ||| SWAPPING to +9 broad axe "Kosum" {antimagic,
                  | rC+}.
 20494 | D:14     | 20494 ||| SWAPPING to +6 heavy broad axe.
 20495 | D:14     | 20495 ||| SWAPPING to +9 broad axe "Kosum" {antimagic,
                  | rC+}.
 20496 | D:14     | 20496 ||| SWAPPING to +6 heavy broad axe.
 20497 | D:14     | 20497 ||| SWAPPING to +9 broad axe "Kosum" {antimagic,
                  | rC+}.
 20498 | D:14     | 20498 ||| SWAPPING to +6 heavy broad axe.
 20499 | D:14     | 20499 ||| SWAPPING to +9 broad axe "Kosum" {antimagic,
                  | rC+}.
 20500 | D:14     | 20500 ||| SWAPPING to +6 heavy broad axe.
 20501 | D:14     | 20501 ||| SWAPPING to +9 broad axe "Kosum" {antimagic,
                  | rC+}.
 20502 | D:14     | 20502 ||| SWAPPING to +6 heavy broad axe.
 20503 | D:14     | 20503 ||| SWAPPING to +9 broad axe "Kosum" {antimagic,
                  | rC+}.
 20504 | D:14     | 20504 ||| SWAPPING to +6 heavy broad axe.
 20505 | D:14     | 20505 ||| SWAPPING to +9 broad axe "Kosum" {antimagic,
                  | rC+}.
 20506 | D:14     | 20506 ||| SWAPPING to +6 heavy broad axe.
 20507 | D:14     | 20507 ||| SWAPPING to +9 broad axe "Kosum" {antimagic,
                  | rC+}.
 20508 | D:14     | 20508 ||| SWAPPING to +6 heavy broad axe.
 20509 | D:14     | 20509 ||| SWAPPING to +9 broad axe "Kosum" {antimagic,
                  | rC+}.
 20510 | D:14     | 20510 ||| SWAPPING to +6 heavy broad axe.
 20511 | D:14     | 20511 ||| SWAPPING to +9 broad axe "Kosum" {antimagic,
                  | rC+}.
 20512 | D:14     | 20512 ||| SWAPPING to +6 heavy broad axe.
 20513 | D:14     | 20513 ||| SWAPPING to +9 broad axe "Kosum" {antimagic,
                  | rC+}.
 20514 | D:14     | 20514 ||| SWAPPING to +6 heavy broad axe.
 20515 | D:14     | 20515 ||| SWAPPING to +9 broad axe "Kosum" {antimagic,
                  | rC+}.
 20516 | D:14     | 20516 ||| SWAPPING to +6 heavy broad axe.
 20517 | D:14     | 20517 ||| SWAPPING to +9 broad axe "Kosum" {antimagic,
                  | rC+}.
 20518 | D:14     | 20518 ||| SWAPPING to +6 heavy broad axe.
 20519 | D:14     | 20519 ||| SWAPPING to +9 broad axe "Kosum" {antimagic,
                  | rC+}.
 20520 | D:14     | 20520 ||| SWAPPING to +6 heavy broad axe.
 20521 | D:14     | 20521 ||| SWAPPING to +9 broad axe "Kosum" {antimagic,
                  | rC+}.
 20522 | D:14     | 20522 ||| SWAPPING to +6 heavy broad axe.
 20523 | D:14     | 20523 ||| SWAPPING to +9 broad axe "Kosum" {antimagic,
                  | rC+}.
 20524 | D:14     | 20524 ||| SWAPPING to +6 heavy broad axe.
 20525 | D:14     | 20525 ||| SWAPPING to +9 broad axe "Kosum" {antimagic,
                  | rC+}.
 20526 | D:14     | 20526 ||| SWAPPING to +6 heavy broad axe.
 20527 | D:14     | 20527 ||| SWAPPING to +9 broad axe "Kosum" {antimagic,
                  | rC+}.
 20528 | D:14     | 20528 ||| SWAPPING to +6 heavy broad axe.
 20529 | D:14     | 20529 ||| SWAPPING to +9 broad axe "Kosum" {antimagic,
                  | rC+}.
 20530 | D:14     | 20530 ||| SWAPPING to +6 heavy broad axe.
 20531 | D:14     | 20531 ||| SWAPPING to +9 broad axe "Kosum" {antimagic,
                  | rC+}.
 20532 | D:14     | 20532 ||| SWAPPING to +6 heavy broad axe.
 20533 | D:14     | 20533 ||| SWAPPING to +9 broad axe "Kosum" {antimagic,
                  | rC+}.
 20534 | D:14     | 20534 ||| SWAPPING to +6 heavy broad axe.
 20535 | D:14     | 20535 ||| SWAPPING to +9 broad axe "Kosum" {antimagic,
                  | rC+}.
 20536 | D:14     | 20536 ||| SWAPPING to +6 heavy broad axe.
 20537 | D:14     | 20537 ||| SWAPPING to +9 broad axe "Kosum" {antimagic,
                  | rC+}.
 20538 | D:14     | 20538 ||| SWAPPING to +6 heavy broad axe.
 20539 | D:14     | 20539 ||| SWAPPING to +9 broad axe "Kosum" {antimagic,
                  | rC+}.
 20540 | D:14     | 20540 ||| SWAPPING to +6 heavy broad axe.
 20541 | D:14     | 20541 ||| SWAPPING to +9 broad axe "Kosum" {antimagic,
                  | rC+}.
 20542 | D:14     | 20542 ||| SWAPPING to +6 heavy broad axe.
 20543 | D:14     | 20543 ||| SWAPPING to +9 broad axe "Kosum" {antimagic,
                  | rC+}.
 20544 | D:14     | 20544 ||| SWAPPING to +6 heavy broad axe.
 20545 | D:14     | 20545 ||| SWAPPING to +9 broad axe "Kosum" {antimagic,
                  | rC+}.
 20546 | D:14     | 20546 ||| SWAPPING to +6 heavy broad axe.
 20547 | D:14     | 20547 ||| SWAPPING to +9 broad axe "Kosum" {antimagic,
                  | rC+}.
 20548 | D:14     | 20548 ||| SWAPPING to +6 heavy broad axe.
 20549 | D:14     | 20549 ||| SWAPPING to +9 broad axe "Kosum" {antimagic,
                  | rC+}.
 20550 | D:14     | 20550 ||| SWAPPING to +6 heavy broad axe.
 20551 | D:14     | 20551 ||| SWAPPING to +9 broad axe "Kosum" {antimagic,
                  | rC+}.
 20552 | D:14     | 20552 ||| SWAPPING to +6 heavy broad axe.
 20553 | D:14     | 20553 ||| SWAPPING to +9 broad axe "Kosum" {antimagic,
                  | rC+}.
 20554 | D:14     | 20554 ||| SWAPPING to +6 heavy broad axe.
 20555 | D:14     | 20555 ||| SWAPPING to +9 broad axe "Kosum" {antimagic,
                  | rC+}.
 20556 | D:14     | 20556 ||| SWAPPING to +6 heavy broad axe.
 20557 | D:14     | 20557 ||| SWAPPING to +9 broad axe "Kosum" {antimagic,
                  | rC+}.
 20558 | D:14     | 20558 ||| SWAPPING to +6 heavy broad axe.
 20559 | D:14     | 20559 ||| SWAPPING to +9 broad axe "Kosum" {antimagic,
                  | rC+}.
 20560 | D:14     | 20560 ||| SWAPPING to +6 heavy broad axe.
 20561 | D:14     | 20561 ||| SWAPPING to +9 broad axe "Kosum" {antimagic,
                  | rC+}.
 20562 | D:14     | 20562 ||| SWAPPING to +6 heavy broad axe.
 20563 | D:14     | 20563 ||| SWAPPING to +9 broad axe "Kosum" {antimagic,
                  | rC+}.
 20564 | D:14     | 20564 ||| SWAPPING to +6 heavy broad axe.
 20565 | D:14     | 20565 ||| SWAPPING to +9 broad axe "Kosum" {antimagic,
                  | rC+}.
 20566 | D:14     | 20566 ||| SWAPPING to +6 heavy broad axe.
 20567 | D:14     | 20567 ||| SWAPPING to +9 broad axe "Kosum" {antimagic,
                  | rC+}.
 20568 | D:14     | 20568 ||| SWAPPING to +6 heavy broad axe.
 20569 | D:14     | 20569 ||| SWAPPING to +9 broad axe "Kosum" {antimagic,
                  | rC+}.
 20570 | D:14     | 20570 ||| SWAPPING to +6 heavy broad axe.
 20571 | D:14     | 20571 ||| SWAPPING to +9 broad axe "Kosum" {antimagic,
                  | rC+}.
 20572 | D:14     | 20572 ||| SWAPPING to +6 heavy broad axe.
 20573 | D:14     | 20573 ||| SWAPPING to +9 broad axe "Kosum" {antimagic,
                  | rC+}.
 20574 | D:14     | 20574 ||| SWAPPING to +6 heavy broad axe.
 20575 | D:14     | 20575 ||| SWAPPING to +9 broad axe "Kosum" {antimagic,
                  | rC+}.
 20576 | D:14     | 20576 ||| SWAPPING to +6 heavy broad axe.
 20577 | D:14     | 20577 ||| SWAPPING to +9 broad axe "Kosum" {antimagic,
                  | rC+}.
 20578 | D:14     | 20578 ||| SWAPPING to +6 heavy broad axe.
 20579 | D:14     | 20579 ||| SWAPPING to +9 broad axe "Kosum" {antimagic,
                  | rC+}.
 20580 | D:14     | 20580 ||| SWAPPING to +6 heavy broad axe.
 20581 | D:14     | 20581 ||| SWAPPING to +9 broad axe "Kosum" {antimagic,
                  | rC+}.
 20582 | D:14     | 20582 ||| SWAPPING to +6 heavy broad axe.
 20583 | D:14     | 20583 ||| SWAPPING to +9 broad axe "Kosum" {antimagic,
                  | rC+}.
 20584 | D:14     | 20584 ||| SWAPPING to +6 heavy broad axe.
 20585 | D:14     | 20585 ||| SWAPPING to +9 broad axe "Kosum" {antimagic,
                  | rC+}.
 20586 | D:14     | 20586 ||| SWAPPING to +6 heavy broad axe.
 20587 | D:14     | 20587 ||| SWAPPING to +9 broad axe "Kosum" {antimagic,
                  | rC+}.
 20588 | D:14     | 20588 ||| SWAPPING to +6 heavy broad axe.
 20589 | D:14     | 20589 ||| SWAPPING to +9 broad axe "Kosum" {antimagic,
                  | rC+}.
 20590 | D:14     | 20590 ||| SWAPPING to +6 heavy broad axe.
 20591 | D:14     | 20591 ||| SWAPPING to +9 broad axe "Kosum" {antimagic,
                  | rC+}.
 20592 | D:14     | 20592 ||| SWAPPING to +6 heavy broad axe.
 20593 | D:14     | 20593 ||| SWAPPING to +9 broad axe "Kosum" {antimagic,
                  | rC+}.
 20594 | D:14     | 20594 ||| SWAPPING to +6 heavy broad axe.
 20595 | D:14     | 20595 ||| SWAPPING to +9 broad axe "Kosum" {antimagic,
                  | rC+}.
 20596 | D:14     | 20596 ||| SWAPPING to +6 heavy broad axe.
 20597 | D:14     | 20597 ||| SWAPPING to +9 broad axe "Kosum" {antimagic,
                  | rC+}.
 20598 | D:14     | 20598 ||| SWAPPING to +6 heavy broad axe.
 20599 | D:14     | 20599 ||| SWAPPING to +9 broad axe "Kosum" {antimagic,
                  | rC+}.
 20600 | D:14     | 20600 ||| SWAPPING to +6 heavy broad axe.
 20601 | D:14     | 20601 ||| SWAPPING to +9 broad axe "Kosum" {antimagic,
                  | rC+}.
 20602 | D:14     | 20602 ||| SWAPPING to +6 heavy broad axe.
 20603 | D:14     | 20603 ||| SWAPPING to +9 broad axe "Kosum" {antimagic,
                  | rC+}.
 20604 | D:14     | 20604 ||| SWAPPING to +6 heavy broad axe.
 20605 | D:14     | 20605 ||| SWAPPING to +9 broad axe "Kosum" {antimagic,
                  | rC+}.
 20606 | D:14     | 20606 ||| SWAPPING to +6 heavy broad axe.
 20607 | D:14     | 20607 ||| SWAPPING to +9 broad axe "Kosum" {antimagic,
                  | rC+}.
 20608 | D:14     | 20608 ||| SWAPPING to +6 heavy broad axe.
 20609 | D:14     | 20609 ||| SWAPPING to +9 broad axe "Kosum" {antimagic,
                  | rC+}.
 20610 | D:14     | 20610 ||| SWAPPING to +6 heavy broad axe.
 20611 | D:14     | 20611 ||| SWAPPING to +9 broad axe "Kosum" {antimagic,
                  | rC+}.
 20612 | D:14     | 20612 ||| SWAPPING to +6 heavy broad axe.
 20613 | D:14     | 20613 ||| SWAPPING to +9 broad axe "Kosum" {antimagic,
                  | rC+}.
 20614 | D:14     | 20614 ||| SWAPPING to +6 heavy broad axe.
 20615 | D:14     | 20615 ||| SWAPPING to +9 broad axe "Kosum" {antimagic,
                  | rC+}.
 20616 | D:14     | 20616 ||| SWAPPING to +6 heavy broad axe.
 20617 | D:14     | 20617 ||| SWAPPING to +9 broad axe "Kosum" {antimagic,
                  | rC+}.
 20618 | D:14     | 20618 ||| SWAPPING to +6 heavy broad axe.
 20619 | D:14     | 20619 ||| SWAPPING to +9 broad axe "Kosum" {antimagic,
                  | rC+}.
 20620 | D:14     | 20620 ||| SWAPPING to +6 heavy broad axe.
 20621 | D:14     | 20621 ||| SWAPPING to +9 broad axe "Kosum" {antimagic,
                  | rC+}.
 20622 | D:14     | 20622 ||| SWAPPING to +6 heavy broad axe.
 20623 | D:14     | 20623 ||| SWAPPING to +9 broad axe "Kosum" {antimagic,
                  | rC+}.
 20624 | D:14     | 20624 ||| SWAPPING to +6 heavy broad axe.
 20625 | D:14     | 20625 ||| SWAPPING to +9 broad axe "Kosum" {antimagic,
                  | rC+}.
 20626 | D:14     | 20626 ||| SWAPPING to +6 heavy broad axe.
 20627 | D:14     | 20627 ||| SWAPPING to +9 broad axe "Kosum" {antimagic,
                  | rC+}.
 20628 | D:14     | 20628 ||| SWAPPING to +6 heavy broad axe.
 20629 | D:14     | 20629 ||| SWAPPING to +9 broad axe "Kosum" {antimagic,
                  | rC+}.
 20630 | D:14     | 20630 ||| SWAPPING to +6 heavy broad axe.
 20631 | D:14     | 20631 ||| SWAPPING to +9 broad axe "Kosum" {antimagic,
                  | rC+}.
 20632 | D:14     | 20632 ||| SWAPPING to +6 heavy broad axe.
 20633 | D:14     | 20633 ||| SWAPPING to +9 broad axe "Kosum" {antimagic,
                  | rC+}.
 20634 | D:14     | 20634 ||| SWAPPING to +6 heavy broad axe.
 20635 | D:14     | 20635 ||| SWAPPING to +9 broad axe "Kosum" {antimagic,
                  | rC+}.
 20636 | D:14     | 20636 ||| SWAPPING to +6 heavy broad axe.
 20637 | D:14     | 20637 ||| SWAPPING to +9 broad axe "Kosum" {antimagic,
                  | rC+}.
 20638 | D:14     | 20638 ||| SWAPPING to +6 heavy broad axe.
 20639 | D:14     | 20639 ||| SWAPPING to +9 broad axe "Kosum" {antimagic,
                  | rC+}.
 20640 | D:14     | 20640 ||| SWAPPING to +6 heavy broad axe.
 20641 | D:14     | 20641 ||| SWAPPING to +9 broad axe "Kosum" {antimagic,
                  | rC+}.
 20642 | D:14     | 20642 ||| SWAPPING to +6 heavy broad axe.
 20643 | D:14     | 20643 ||| SWAPPING to +9 broad axe "Kosum" {antimagic,
                  | rC+}.
 20644 | D:14     | 20644 ||| SWAPPING to +6 heavy broad axe.
 20645 | D:14     | 20645 ||| SWAPPING to +9 broad axe "Kosum" {antimagic,
                  | rC+}.
 20646 | D:14     | 20646 ||| SWAPPING to +6 heavy broad axe.
 20647 | D:14     | 20647 ||| SWAPPING to +9 broad axe "Kosum" {antimagic,
                  | rC+}.
 20648 | D:14     | 20648 ||| SWAPPING to +6 heavy broad axe.
 20649 | D:14     | 20649 ||| SWAPPING to +9 broad axe "Kosum" {antimagic,
                  | rC+}.
 20650 | D:14     | 20650 ||| SWAPPING to +6 heavy broad axe.
 20651 | D:14     | 20651 ||| SWAPPING to +9 broad axe "Kosum" {antimagic,
                  | rC+}.
 20652 | D:14     | 20652 ||| SWAPPING to +6 heavy broad axe.
 20653 | D:14     | 20653 ||| SWAPPING to +9 broad axe "Kosum" {antimagic,
                  | rC+}.
 20654 | D:14     | 20654 ||| SWAPPING to +6 heavy broad axe.
 20655 | D:14     | 20655 ||| SWAPPING to +9 broad axe "Kosum" {antimagic,
                  | rC+}.
 20656 | D:14     | 20656 ||| SWAPPING to +6 heavy broad axe.
 20657 | D:14     | 20657 ||| SWAPPING to +9 broad axe "Kosum" {antimagic,
                  | rC+}.
 20658 | D:14     | 20658 ||| SWAPPING to +6 heavy broad axe.
 20659 | D:14     | 20659 ||| SWAPPING to +9 broad axe "Kosum" {antimagic,
                  | rC+}.
 20660 | D:14     | 20660 ||| SWAPPING to +6 heavy broad axe.
 20661 | D:14     | 20661 ||| SWAPPING to +9 broad axe "Kosum" {antimagic,
                  | rC+}.
 20662 | D:14     | 20662 ||| SWAPPING to +6 heavy broad axe.
 20663 | D:14     | 20663 ||| SWAPPING to +9 broad axe "Kosum" {antimagic,
                  | rC+}.
 20664 | D:14     | 20664 ||| SWAPPING to +6 heavy broad axe.
 20665 | D:14     | 20665 ||| SWAPPING to +9 broad axe "Kosum" {antimagic,
                  | rC+}.
 20666 | D:14     | 20666 ||| SWAPPING to +6 heavy broad axe.
 20667 | D:14     | 20667 ||| SWAPPING to +9 broad axe "Kosum" {antimagic,
                  | rC+}.
 20668 | D:14     | 20668 ||| SWAPPING to +6 heavy broad axe.
 20669 | D:14     | 20669 ||| SWAPPING to +9 broad axe "Kosum" {antimagic,
                  | rC+}.
 20670 | D:14     | 20670 ||| SWAPPING to +6 heavy broad axe.
 20671 | D:14     | 20671 ||| SWAPPING to +9 broad axe "Kosum" {antimagic,
                  | rC+}.
 20672 | D:14     | 20672 ||| SWAPPING to +6 heavy broad axe.
 20673 | D:14     | 20673 ||| SWAPPING to +9 broad axe "Kosum" {antimagic,
                  | rC+}.
 20674 | D:14     | 20674 ||| SWAPPING to +6 heavy broad axe.
 20675 | D:14     | 20675 ||| SWAPPING to +9 broad axe "Kosum" {antimagic,
                  | rC+}.
 20676 | D:14     | 20676 ||| SWAPPING to +6 heavy broad axe.
 20677 | D:14     | 20677 ||| SWAPPING to +9 broad axe "Kosum" {antimagic,
                  | rC+}.
 20678 | D:14     | 20678 ||| SWAPPING to +6 heavy broad axe.
 20679 | D:14     | 20679 ||| SWAPPING to +9 broad axe "Kosum" {antimagic,
                  | rC+}.
 20680 | D:14     | 20680 ||| SWAPPING to +6 heavy broad axe.
 20681 | D:14     | 20681 ||| SWAPPING to +9 broad axe "Kosum" {antimagic,
                  | rC+}.
 20682 | D:14     | 20682 ||| SWAPPING to +6 heavy broad axe.
 20683 | D:14     | 20683 ||| SWAPPING to +9 broad axe "Kosum" {antimagic,
                  | rC+}.
 20684 | D:14     | 20684 ||| SWAPPING to +6 heavy broad axe.
 20685 | D:14     | 20685 ||| SWAPPING to +9 broad axe "Kosum" {antimagic,
                  | rC+}.
 20686 | D:14     | 20686 ||| SWAPPING to +6 heavy broad axe.
 20687 | D:14     | 20687 ||| SWAPPING to +9 broad axe "Kosum" {antimagic,
                  | rC+}.
 20688 | D:14     | 20688 ||| SWAPPING to +6 heavy broad axe.
 20689 | D:14     | 20689 ||| SWAPPING to +9 broad axe "Kosum" {antimagic,
                  | rC+}.
 20690 | D:14     | 20690 ||| SWAPPING to +6 heavy broad axe.
 20691 | D:14     | 20691 ||| SWAPPING to +9 broad axe "Kosum" {antimagic,
                  | rC+}.
 20692 | D:14     | 20692 ||| SWAPPING to +6 heavy broad axe.
 20693 | D:14     | 20693 ||| SWAPPING to +9 broad axe "Kosum" {antimagic,
                  | rC+}.
 20694 | D:14     | 20694 ||| SWAPPING to +6 heavy broad axe.
 20695 | D:14     | 20695 ||| SWAPPING to +9 broad axe "Kosum" {antimagic,
                  | rC+}.
 20696 | D:14     | 20696 ||| SWAPPING to +6 heavy broad axe.
 20697 | D:14     | 20697 ||| SWAPPING to +9 broad axe "Kosum" {antimagic,
                  | rC+}.
 20698 | D:14     | 20698 ||| SWAPPING to +6 heavy broad axe.
 20699 | D:14     | 20699 ||| SWAPPING to +9 broad axe "Kosum" {antimagic,
                  | rC+}.
 20700 | D:14     | 20700 ||| SWAPPING to +6 heavy broad axe.
 20701 | D:14     | 20701 ||| SWAPPING to +9 broad axe "Kosum" {antimagic,
                  | rC+}.
 20702 | D:14     | 20702 ||| SWAPPING to +6 heavy broad axe.
 20703 | D:14     | 20703 ||| SWAPPING to +9 broad axe "Kosum" {antimagic,
                  | rC+}.
 20704 | D:14     | 20704 ||| SWAPPING to +6 heavy broad axe.
 20705 | D:14     | 20705 ||| SWAPPING to +9 broad axe "Kosum" {antimagic,
                  | rC+}.
 20706 | D:14     | 20706 ||| SWAPPING to +6 heavy broad axe.
 20707 | D:14     | 20707 ||| SWAPPING to +9 broad axe "Kosum" {antimagic,
                  | rC+}.
 20708 | D:14     | 20708 ||| SWAPPING to +6 heavy broad axe.
 20709 | D:14     | 20709 ||| SWAPPING to +9 broad axe "Kosum" {antimagic,
                  | rC+}.
 20710 | D:14     | 20710 ||| SWAPPING to +6 heavy broad axe.
 20711 | D:14     | 20711 ||| SWAPPING to +9 broad axe "Kosum" {antimagic,
                  | rC+}.
 20712 | D:14     | 20712 ||| SWAPPING to +6 heavy broad axe.
 20713 | D:14     | 20713 ||| SWAPPING to +9 broad axe "Kosum" {antimagic,
                  | rC+}.
 20714 | D:14     | 20714 ||| SWAPPING to +6 heavy broad axe.
 20715 | D:14     | 20715 ||| SWAPPING to +9 broad axe "Kosum" {antimagic,
                  | rC+}.
 20716 | D:14     | 20716 ||| SWAPPING to +6 heavy broad axe.
 20717 | D:14     | 20717 ||| SWAPPING to +9 broad axe "Kosum" {antimagic,
                  | rC+}.
 20718 | D:14     | 20718 ||| SWAPPING to +6 heavy broad axe.
 20719 | D:14     | 20719 ||| SWAPPING to +9 broad axe "Kosum" {antimagic,
                  | rC+}.
 20720 | D:14     | 20720 ||| SWAPPING to +6 heavy broad axe.
 20721 | D:14     | 20721 ||| SWAPPING to +9 broad axe "Kosum" {antimagic,
                  | rC+}.
 20722 | D:14     | 20722 ||| SWAPPING to +6 heavy broad axe.
 20723 | D:14     | 20723 ||| SWAPPING to +9 broad axe "Kosum" {antimagic,
                  | rC+}.
 20724 | D:14     | 20724 ||| SWAPPING to +6 heavy broad axe.
 20725 | D:14     | 20725 ||| SWAPPING to +9 broad axe "Kosum" {antimagic,
                  | rC+}.
 20726 | D:14     | 20726 ||| SWAPPING to +6 heavy broad axe.
 20727 | D:14     | 20727 ||| SWAPPING to +9 broad axe "Kosum" {antimagic,
                  | rC+}.
 20728 | D:14     | 20728 ||| SWAPPING to +6 heavy broad axe.
 20729 | D:14     | 20729 ||| SWAPPING to +9 broad axe "Kosum" {antimagic,
                  | rC+}.
 20730 | D:14     | 20730 ||| SWAPPING to +6 heavy broad axe.
 20731 | D:14     | 20731 ||| SWAPPING to +9 broad axe "Kosum" {antimagic,
                  | rC+}.
 20732 | D:14     | 20732 ||| SWAPPING to +6 heavy broad axe.
 20733 | D:14     | 20733 ||| SWAPPING to +9 broad axe "Kosum" {antimagic,
                  | rC+}.
 20734 | D:14     | 20734 ||| SWAPPING to +6 heavy broad axe.
 20735 | D:14     | 20735 ||| SWAPPING to +9 broad axe "Kosum" {antimagic,
                  | rC+}.
 20736 | D:14     | 20736 ||| SWAPPING to +6 heavy broad axe.
 20737 | D:14     | 20737 ||| SWAPPING to +9 broad axe "Kosum" {antimagic,
                  | rC+}.
 20738 | D:14     | 20738 ||| SWAPPING to +6 heavy broad axe.
 20739 | D:14     | 20739 ||| SWAPPING to +9 broad axe "Kosum" {antimagic,
                  | rC+}.
 20740 | D:14     | 20740 ||| SWAPPING to +6 heavy broad axe.
 20741 | D:14     | 20741 ||| SWAPPING to +9 broad axe "Kosum" {antimagic,
                  | rC+}.
 20742 | D:14     | 20742 ||| SWAPPING to +6 heavy broad axe.
 20743 | D:14     | 20743 ||| SWAPPING to +9 broad axe "Kosum" {antimagic,
                  | rC+}.
 20744 | D:14     | 20744 ||| SWAPPING to +6 heavy broad axe.
 20745 | D:14     | 20745 ||| SWAPPING to +9 broad axe "Kosum" {antimagic,
                  | rC+}.
 20746 | D:14     | 20746 ||| SWAPPING to +6 heavy broad axe.
 20747 | D:14     | 20747 ||| SWAPPING to +9 broad axe "Kosum" {antimagic,
                  | rC+}.
 20748 | D:14     | 20748 ||| SWAPPING to +6 heavy broad axe.
 20749 | D:14     | 20749 ||| SWAPPING to +9 broad axe "Kosum" {antimagic,
                  | rC+}.
 20750 | D:14     | 20750 ||| SWAPPING to +6 heavy broad axe.
 20751 | D:14     | 20751 ||| SWAPPING to +9 broad axe "Kosum" {antimagic,
                  | rC+}.
 20752 | D:14     | 20752 ||| SWAPPING to +6 heavy broad axe.
 20753 | D:14     | 20753 ||| SWAPPING to +9 broad axe "Kosum" {antimagic,
                  | rC+}.
 20754 | D:14     | 20754 ||| SWAPPING to +6 heavy broad axe.
 20755 | D:14     | 20755 ||| SWAPPING to +9 broad axe "Kosum" {antimagic,
                  | rC+}.
 20756 | D:14     | 20756 ||| SWAPPING to +6 heavy broad axe.
 20757 | D:14     | 20757 ||| SWAPPING to +9 broad axe "Kosum" {antimagic,
                  | rC+}.
 20758 | D:14     | 20758 ||| SWAPPING to +6 heavy broad axe.
 20759 | D:14     | 20759 ||| SWAPPING to +9 broad axe "Kosum" {antimagic,
                  | rC+}.
 20760 | D:14     | 20760 ||| SWAPPING to +6 heavy broad axe.
 20761 | D:14     | 20761 ||| SWAPPING to +9 broad axe "Kosum" {antimagic,
                  | rC+}.
 20762 | D:14     | 20762 ||| SWAPPING to +6 heavy broad axe.
 20763 | D:14     | 20763 ||| SWAPPING to +9 broad axe "Kosum" {antimagic,
                  | rC+}.
 20764 | D:14     | 20764 ||| SWAPPING to +6 heavy broad axe.
 20765 | D:14     | 20765 ||| SWAPPING to +9 broad axe "Kosum" {antimagic,
                  | rC+}.
 20766 | D:14     | 20766 ||| SWAPPING to +6 heavy broad axe.
 20767 | D:14     | 20767 ||| SWAPPING to +9 broad axe "Kosum" {antimagic,
                  | rC+}.
 20768 | D:14     | 20768 ||| SWAPPING to +6 heavy broad axe.
 20769 | D:14     | 20769 ||| SWAPPING to +9 broad axe "Kosum" {antimagic,
                  | rC+}.
 20770 | D:14     | 20770 ||| SWAPPING to +6 heavy broad axe.
 20771 | D:14     | 20771 ||| SWAPPING to +9 broad axe "Kosum" {antimagic,
                  | rC+}.
 20772 | D:14     | 20772 ||| SWAPPING to +6 heavy broad axe.
 20773 | D:14     | 20773 ||| SWAPPING to +9 broad axe "Kosum" {antimagic,
                  | rC+}.
 20774 | D:14     | 20774 ||| SWAPPING to +6 heavy broad axe.
 20775 | D:14     | 20775 ||| SWAPPING to +9 broad axe "Kosum" {antimagic,
                  | rC+}.
 20776 | D:14     | 20776 ||| SWAPPING to +6 heavy broad axe.
 20777 | D:14     | 20777 ||| SWAPPING to +9 broad axe "Kosum" {antimagic,
                  | rC+}.
 20778 | D:14     | 20778 ||| SWAPPING to +6 heavy broad axe.
 20779 | D:14     | 20779 ||| SWAPPING to +9 broad axe "Kosum" {antimagic,
                  | rC+}.
 20780 | D:14     | 20780 ||| SWAPPING to +6 heavy broad axe.
 20781 | D:14     | 20781 ||| SWAPPING to +9 broad axe "Kosum" {antimagic,
                  | rC+}.
 20782 | D:14     | 20782 ||| SWAPPING to +6 heavy broad axe.
 20783 | D:14     | 20783 ||| SWAPPING to +9 broad axe "Kosum" {antimagic,
                  | rC+}.
 20784 | D:14     | 20784 ||| SWAPPING to +6 heavy broad axe.
 20785 | D:14     | 20785 ||| SWAPPING to +9 broad axe "Kosum" {antimagic,
                  | rC+}.
 20786 | D:14     | 20786 ||| SWAPPING to +6 heavy broad axe.
 20787 | D:14     | 20787 ||| SWAPPING to +9 broad axe "Kosum" {antimagic,
                  | rC+}.
 20788 | D:14     | 20788 ||| SWAPPING to +6 heavy broad axe.
 20789 | D:14     | 20789 ||| SWAPPING to +9 broad axe "Kosum" {antimagic,
                  | rC+}.
 20790 | D:14     | 20790 ||| SWAPPING to +6 heavy broad axe.
 20791 | D:14     | 20791 ||| SWAPPING to +9 broad axe "Kosum" {antimagic,
                  | rC+}.
 20792 | D:14     | 20792 ||| SWAPPING to +6 heavy broad axe.
 20793 | D:14     | 20793 ||| SWAPPING to +9 broad axe "Kosum" {antimagic,
                  | rC+}.
 20794 | D:14     | 20794 ||| SWAPPING to +6 heavy broad axe.
 20795 | D:14     | 20795 ||| SWAPPING to +9 broad axe "Kosum" {antimagic,
                  | rC+}.
 20796 | D:14     | 20796 ||| SWAPPING to +6 heavy broad axe.
 20797 | D:14     | 20797 ||| SWAPPING to +9 broad axe "Kosum" {antimagic,
                  | rC+}.
 20798 | D:14     | 20798 ||| SWAPPING to +6 heavy broad axe.
 20799 | D:14     | 20799 ||| SWAPPING to +9 broad axe "Kosum" {antimagic,
                  | rC+}.
 20800 | D:14     | 20800 ||| SWAPPING to +6 heavy broad axe.
 20801 | D:14     | 20801 ||| SWAPPING to +9 broad axe "Kosum" {antimagic,
                  | rC+}.
 20802 | D:14     | 20802 ||| SWAPPING to +6 heavy broad axe.
 20803 | D:14     | 20803 ||| SWAPPING to +9 broad axe "Kosum" {antimagic,
                  | rC+}.
 20804 | D:14     | 20804 ||| SWAPPING to +6 heavy broad axe.
 20805 | D:14     | 20805 ||| SWAPPING to +9 broad axe "Kosum" {antimagic,
                  | rC+}.
 20806 | D:14     | 20806 ||| SWAPPING to +6 heavy broad axe.
 20807 | D:14     | 20807 ||| SWAPPING to +9 broad axe "Kosum" {antimagic,
                  | rC+}.
 20808 | D:14     | 20808 ||| SWAPPING to +6 heavy broad axe.
 20809 | D:14     | 20809 ||| SWAPPING to +9 broad axe "Kosum" {antimagic,
                  | rC+}.
 20810 | D:14     | 20810 ||| SWAPPING to +6 heavy broad axe.
 20811 | D:14     | 20811 ||| SWAPPING to +9 broad axe "Kosum" {antimagic,
                  | rC+}.
 20812 | D:14     | 20812 ||| SWAPPING to +6 heavy broad axe.
 20813 | D:14     | 20813 ||| SWAPPING to +9 broad axe "Kosum" {antimagic,
                  | rC+}.
 20814 | D:14     | 20814 ||| SWAPPING to +6 heavy broad axe.
 20815 | D:14     | 20815 ||| SWAPPING to +9 broad axe "Kosum" {antimagic,
                  | rC+}.
 20816 | D:14     | 20816 ||| SWAPPING to +6 heavy broad axe.
 20817 | D:14     | 20817 ||| SWAPPING to +9 broad axe "Kosum" {antimagic,
                  | rC+}.
 20818 | D:14     | 20818 ||| SWAPPING to +6 heavy broad axe.
 20819 | D:14     | 20819 ||| SWAPPING to +9 broad axe "Kosum" {antimagic,
                  | rC+}.
 20820 | D:14     | 20820 ||| SWAPPING to +6 heavy broad axe.
 20821 | D:14     | 20821 ||| SWAPPING to +9 broad axe "Kosum" {antimagic,
                  | rC+}.
 20822 | D:14     | 20822 ||| SWAPPING to +6 heavy broad axe.
 20823 | D:14     | 20823 ||| SWAPPING to +9 broad axe "Kosum" {antimagic,
                  | rC+}.
 20824 | D:14     | 20824 ||| SWAPPING to +6 heavy broad axe.
 20825 | D:14     | 20825 ||| SWAPPING to +9 broad axe "Kosum" {antimagic,
                  | rC+}.
 20826 | D:14     | 20826 ||| SWAPPING to +6 heavy broad axe.
 20827 | D:14     | 20827 ||| SWAPPING to +9 broad axe "Kosum" {antimagic,
                  | rC+}.
 20828 | D:14     | 20828 ||| SWAPPING to +6 heavy broad axe.
 20829 | D:14     | 20829 ||| SWAPPING to +9 broad axe "Kosum" {antimagic,
                  | rC+}.
 20830 | D:14     | 20830 ||| SWAPPING to +6 heavy broad axe.
 20831 | D:14     | 20831 ||| SWAPPING to +9 broad axe "Kosum" {antimagic,
                  | rC+}.
 20832 | D:14     | 20832 ||| SWAPPING to +6 heavy broad axe.
 20833 | D:14     | 20833 ||| SWAPPING to +9 broad axe "Kosum" {antimagic,
                  | rC+}.
 20834 | D:14     | 20834 ||| SWAPPING to +6 heavy broad axe.
 20835 | D:14     | 20835 ||| SWAPPING to +9 broad axe "Kosum" {antimagic,
                  | rC+}.
 20836 | D:14     | 20836 ||| SWAPPING to +6 heavy broad axe.
 20837 | D:14     | 20837 ||| SWAPPING to +9 broad axe "Kosum" {antimagic,
                  | rC+}.
 20838 | D:14     | 20838 ||| SWAPPING to +6 heavy broad axe.
 20839 | D:14     | 20839 ||| SWAPPING to +9 broad axe "Kosum" {antimagic,
                  | rC+}.
 20840 | D:14     | 20840 ||| SWAPPING to +6 heavy broad axe.
 20841 | D:14     | 20841 ||| SWAPPING to +9 broad axe "Kosum" {antimagic,
                  | rC+}.
 20842 | D:14     | 20842 ||| SWAPPING to +6 heavy broad axe.
 20843 | D:14     | 20843 ||| SWAPPING to +9 broad axe "Kosum" {antimagic,
                  | rC+}.
 20844 | D:14     | 20844 ||| SWAPPING to +6 heavy broad axe.
 20845 | D:14     | 20845 ||| SWAPPING to +9 broad axe "Kosum" {antimagic,
                  | rC+}.
 20846 | D:14     | 20846 ||| SWAPPING to +6 heavy broad axe.
 20847 | D:14     | 20847 ||| SWAPPING to +9 broad axe "Kosum" {antimagic,
                  | rC+}.
 20848 | D:14     | 20848 ||| SWAPPING to +6 heavy broad axe.
 20849 | D:14     | 20849 ||| SWAPPING to +9 broad axe "Kosum" {antimagic,
                  | rC+}.
 20850 | D:14     | 20850 ||| SWAPPING to +6 heavy broad axe.
 20851 | D:14     | 20851 ||| SWAPPING to +9 broad axe "Kosum" {antimagic,
                  | rC+}.
 20852 | D:14     | 20852 ||| SWAPPING to +6 heavy broad axe.
 20853 | D:14     | 20853 ||| SWAPPING to +9 broad axe "Kosum" {antimagic,
                  | rC+}.
 20854 | D:14     | 20854 ||| SWAPPING to +6 heavy broad axe.
 20855 | D:14     | 20855 ||| SWAPPING to +9 broad axe "Kosum" {antimagic,
                  | rC+}.
 20856 | D:14     | 20856 ||| SWAPPING to +6 heavy broad axe.
 20857 | D:14     | 20857 ||| SWAPPING to +9 broad axe "Kosum" {antimagic,
                  | rC+}.
 20858 | D:14     | 20858 ||| SWAPPING to +6 heavy broad axe.
 20859 | D:14     | 20859 ||| SWAPPING to +9 broad axe "Kosum" {antimagic,
                  | rC+}.
 20860 | D:14     | 20860 ||| SWAPPING to +6 heavy broad axe.
 20861 | D:14     | 20861 ||| SWAPPING to +9 broad axe "Kosum" {antimagic,
                  | rC+}.
 20862 | D:14     | 20862 ||| SWAPPING to +6 heavy broad axe.
 20863 | D:14     | 20863 ||| SWAPPING to +9 broad axe "Kosum" {antimagic,
                  | rC+}.
 20864 | D:14     | 20864 ||| SWAPPING to +6 heavy broad axe.
 20865 | D:14     | 20865 ||| SWAPPING to +9 broad axe "Kosum" {antimagic,
                  | rC+}.
 20866 | D:14     | 20866 ||| SWAPPING to +6 heavy broad axe.
 20867 | D:14     | 20867 ||| SWAPPING to +9 broad axe "Kosum" {antimagic,
                  | rC+}.
 20868 | D:14     | 20868 ||| SWAPPING to +6 heavy broad axe.
 20869 | D:14     | 20869 ||| SWAPPING to +9 broad axe "Kosum" {antimagic,
                  | rC+}.
 20870 | D:14     | 20870 ||| SWAPPING to +6 heavy broad axe.
 20871 | D:14     | 20871 ||| SWAPPING to +9 broad axe "Kosum" {antimagic,
                  | rC+}.
 20872 | D:14     | 20872 ||| SWAPPING to +6 heavy broad axe.
 20873 | D:14     | 20873 ||| SWAPPING to +9 broad axe "Kosum" {antimagic,
                  | rC+}.
 20874 | D:14     | 20874 ||| SWAPPING to +6 heavy broad axe.
 20875 | D:14     | 20875 ||| SWAPPING to +9 broad axe "Kosum" {antimagic,
                  | rC+}.
 20876 | D:14     | 20876 ||| SWAPPING to +6 heavy broad axe.
 20877 | D:14     | 20877 ||| SWAPPING to +9 broad axe "Kosum" {antimagic,
                  | rC+}.
 20878 | D:14     | 20878 ||| SWAPPING to +6 heavy broad axe.
 20879 | D:14     | 20879 ||| SWAPPING to +9 broad axe "Kosum" {antimagic,
                  | rC+}.
 20880 | D:14     | 20880 ||| SWAPPING to +6 heavy broad axe.
 20881 | D:14     | 20881 ||| SWAPPING to +9 broad axe "Kosum" {antimagic,
                  | rC+}.
 20882 | D:14     | 20882 ||| SWAPPING to +6 heavy broad axe.
 20883 | D:14     | 20883 ||| SWAPPING to +9 broad axe "Kosum" {antimagic,
                  | rC+}.
 20884 | D:14     | 20884 ||| SWAPPING to +6 heavy broad axe.
 20885 | D:14     | 20885 ||| SWAPPING to +9 broad axe "Kosum" {antimagic,
                  | rC+}.
 20886 | D:14     | 20886 ||| SWAPPING to +6 heavy broad axe.
 20887 | D:14     | 20887 ||| SWAPPING to +9 broad axe "Kosum" {antimagic,
                  | rC+}.
 20888 | D:14     | 20888 ||| SWAPPING to +6 heavy broad axe.
 20889 | D:14     | 20889 ||| SWAPPING to +9 broad axe "Kosum" {antimagic,
                  | rC+}.
 20890 | D:14     | 20890 ||| SWAPPING to +6 heavy broad axe.
 20891 | D:14     | 20891 ||| SWAPPING to +9 broad axe "Kosum" {antimagic,
                  | rC+}.
 20892 | D:14     | 20892 ||| SWAPPING to +6 heavy broad axe.
 20893 | D:14     | 20893 ||| SWAPPING to +9 broad axe "Kosum" {antimagic,
                  | rC+}.
 20894 | D:14     | 20894 ||| SWAPPING to +6 heavy broad axe.
 20895 | D:14     | 20895 ||| SWAPPING to +9 broad axe "Kosum" {antimagic,
                  | rC+}.
 20896 | D:14     | 20896 ||| SWAPPING to +6 heavy broad axe.
 20897 | D:14     | 20897 ||| SWAPPING to +9 broad axe "Kosum" {antimagic,
                  | rC+}.
 20898 | D:14     | 20898 ||| SWAPPING to +6 heavy broad axe.
 20899 | D:14     | 20899 ||| SWAPPING to +9 broad axe "Kosum" {antimagic,
                  | rC+}.
 20900 | D:14     | 20900 ||| SWAPPING to +6 heavy broad axe.
 20901 | D:14     | 20901 ||| SWAPPING to +9 broad axe "Kosum" {antimagic,
                  | rC+}.
 20902 | D:14     | 20902 ||| SWAPPING to +6 heavy broad axe.
 20903 | D:14     | 20903 ||| SWAPPING to +9 broad axe "Kosum" {antimagic,
                  | rC+}.
 20904 | D:14     | 20904 ||| SWAPPING to +6 heavy broad axe.
 20905 | D:14     | 20905 ||| SWAPPING to +9 broad axe "Kosum" {antimagic,
                  | rC+}.
 20906 | D:14     | 20906 ||| SWAPPING to +6 heavy broad axe.
 20907 | D:14     | 20907 ||| SWAPPING to +9 broad axe "Kosum" {antimagic,
                  | rC+}.
 20908 | D:14     | 20908 ||| SWAPPING to +6 heavy broad axe.
 20909 | D:14     | 20909 ||| SWAPPING to +9 broad axe "Kosum" {antimagic,
                  | rC+}.
 20910 | D:14     | 20910 ||| SWAPPING to +6 heavy broad axe.
 20911 | D:14     | 20911 ||| SWAPPING to +9 broad axe "Kosum" {antimagic,
                  | rC+}.
 20912 | D:14     | 20912 ||| SWAPPING to +6 heavy broad axe.
 20913 | D:14     | 20913 ||| SWAPPING to +9 broad axe "Kosum" {antimagic,
                  | rC+}.
 20914 | D:14     | 20914 ||| SWAPPING to +6 heavy broad axe.
 20915 | D:14     | 20915 ||| SWAPPING to +9 broad axe "Kosum" {antimagic,
                  | rC+}.
 20916 | D:14     | 20916 ||| SWAPPING to +6 heavy broad axe.
 20917 | D:14     | 20917 ||| SWAPPING to +9 broad axe "Kosum" {antimagic,
                  | rC+}.
 20918 | D:14     | 20918 ||| SWAPPING to +6 heavy broad axe.
 20919 | D:14     | 20919 ||| SWAPPING to +9 broad axe "Kosum" {antimagic,
                  | rC+}.
 20920 | D:14     | 20920 ||| SWAPPING to +6 heavy broad axe.
 20921 | D:14     | 20921 ||| SWAPPING to +9 broad axe "Kosum" {antimagic,
                  | rC+}.
 20922 | D:14     | 20922 ||| SWAPPING to +6 heavy broad axe.
 20923 | D:14     | 20923 ||| SWAPPING to +9 broad axe "Kosum" {antimagic,
                  | rC+}.
 20924 | D:14     | 20924 ||| SWAPPING to +6 heavy broad axe.
 20925 | D:14     | 20925 ||| SWAPPING to +9 broad axe "Kosum" {antimagic,
                  | rC+}.
 20926 | D:14     | 20926 ||| SWAPPING to +6 heavy broad axe.
 20927 | D:14     | 20927 ||| SWAPPING to +9 broad axe "Kosum" {antimagic,
                  | rC+}.
 20928 | D:14     | 20928 ||| SWAPPING to +6 heavy broad axe.
 20929 | D:14     | 20929 ||| SWAPPING to +9 broad axe "Kosum" {antimagic,
                  | rC+}.
 20930 | D:14     | 20930 ||| SWAPPING to +6 heavy broad axe.
 20931 | D:14     | 20931 ||| SWAPPING to +9 broad axe "Kosum" {antimagic,
                  | rC+}.
 20932 | D:14     | 20932 ||| SWAPPING to +6 heavy broad axe.
 20933 | D:14     | 20933 ||| SWAPPING to +9 broad axe "Kosum" {antimagic,
                  | rC+}.
 20934 | D:14     | 20934 ||| SWAPPING to +6 heavy broad axe.
 20935 | D:14     | 20935 ||| SWAPPING to +9 broad axe "Kosum" {antimagic,
                  | rC+}.
 20936 | D:14     | 20936 ||| SWAPPING to +6 heavy broad axe.
 20937 | D:14     | 20937 ||| SWAPPING to +9 broad axe "Kosum" {antimagic,
                  | rC+}.
 20938 | D:14     | 20938 ||| SWAPPING to +6 heavy broad axe.
 20939 | D:14     | 20939 ||| SWAPPING to +9 broad axe "Kosum" {antimagic,
                  | rC+}.
 20940 | D:14     | 20940 ||| SWAPPING to +6 heavy broad axe.
 20941 | D:14     | 20941 ||| SWAPPING to +9 broad axe "Kosum" {antimagic,
                  | rC+}.
 20942 | D:14     | 20942 ||| SWAPPING to +6 heavy broad axe.
 20943 | D:14     | 20943 ||| SWAPPING to +9 broad axe "Kosum" {antimagic,
                  | rC+}.
 20944 | D:14     | 20944 ||| SWAPPING to +6 heavy broad axe.
 20945 | D:14     | 20945 ||| SWAPPING to +9 broad axe "Kosum" {antimagic,
                  | rC+}.
 20946 | D:14     | 20946 ||| SWAPPING to +6 heavy broad axe.
 20947 | D:14     | 20947 ||| SWAPPING to +9 broad axe "Kosum" {antimagic,
                  | rC+}.
 20948 | D:14     | 20948 ||| SWAPPING to +6 heavy broad axe.
 20949 | D:14     | 20949 ||| SWAPPING to +9 broad axe "Kosum" {antimagic,
                  | rC+}.
 20950 | D:14     | 20950 ||| SWAPPING to +6 heavy broad axe.
 20951 | D:14     | 20951 ||| SWAPPING to +9 broad axe "Kosum" {antimagic,
                  | rC+}.
 20952 | D:14     | 20952 ||| SWAPPING to +6 heavy broad axe.
 20953 | D:14     | 20953 ||| SWAPPING to +9 broad axe "Kosum" {antimagic,
                  | rC+}.
 20954 | D:14     | 20954 ||| SWAPPING to +6 heavy broad axe.
 20955 | D:14     | 20955 ||| SWAPPING to +9 broad axe "Kosum" {antimagic,
                  | rC+}.
 20956 | D:14     | 20956 ||| SWAPPING to +6 heavy broad axe.
 20957 | D:14     | 20957 ||| SWAPPING to +9 broad axe "Kosum" {antimagic,
                  | rC+}.
 20958 | D:14     | 20958 ||| SWAPPING to +6 heavy broad axe.
 20959 | D:14     | 20959 ||| SWAPPING to +9 broad axe "Kosum" {antimagic,
                  | rC+}.
 20960 | D:14     | 20960 ||| SWAPPING to +6 heavy broad axe.
 20961 | D:14     | 20961 ||| SWAPPING to +9 broad axe "Kosum" {antimagic,
                  | rC+}.
 20962 | D:14     | 20962 ||| SWAPPING to +6 heavy broad axe.
 20963 | D:14     | 20963 ||| SWAPPING to +9 broad axe "Kosum" {antimagic,
                  | rC+}.
 20964 | D:14     | 20964 ||| SWAPPING to +6 heavy broad axe.
 20965 | D:14     | 20965 ||| SWAPPING to +9 broad axe "Kosum" {antimagic,
                  | rC+}.
 20966 | D:14     | 20966 ||| SWAPPING to +6 heavy broad axe.
 20967 | D:14     | 20967 ||| SWAPPING to +9 broad axe "Kosum" {antimagic,
                  | rC+}.
 20968 | D:14     | 20968 ||| SWAPPING to +6 heavy broad axe.
 20969 | D:14     | 20969 ||| SWAPPING to +9 broad axe "Kosum" {antimagic,
                  | rC+}.
 20970 | D:14     | 20970 ||| SWAPPING to +6 heavy broad axe.
 20971 | D:14     | 20971 ||| SWAPPING to +9 broad axe "Kosum" {antimagic,
                  | rC+}.
 20972 | D:14     | 20972 ||| SWAPPING to +6 heavy broad axe.
 20973 | D:14     | 20973 ||| SWAPPING to +9 broad axe "Kosum" {antimagic,
                  | rC+}.
 20974 | D:14     | 20974 ||| SWAPPING to +6 heavy broad axe.
 20975 | D:14     | 20975 ||| SWAPPING to +9 broad axe "Kosum" {antimagic,
                  | rC+}.
 20976 | D:14     | 20976 ||| SWAPPING to +6 heavy broad axe.
 20977 | D:14     | 20977 ||| SWAPPING to +9 broad axe "Kosum" {antimagic,
                  | rC+}.
 20978 | D:14     | 20978 ||| SWAPPING to +6 heavy broad axe.
 20979 | D:14     | 20979 ||| SWAPPING to +9 broad axe "Kosum" {antimagic,
                  | rC+}.
 20980 | D:14     | 20980 ||| SWAPPING to +6 heavy broad axe.
 20981 | D:14     | 20981 ||| SWAPPING to +9 broad axe "Kosum" {antimagic,
                  | rC+}.
 20982 | D:14     | 20982 ||| SWAPPING to +6 heavy broad axe.
 20983 | D:14     | 20983 ||| SWAPPING to +9 broad axe "Kosum" {antimagic,
                  | rC+}.
 20984 | D:14     | 20984 ||| SWAPPING to +6 heavy broad axe.
 20985 | D:14     | 20985 ||| SWAPPING to +9 broad axe "Kosum" {antimagic,
                  | rC+}.
 20986 | D:14     | 20986 ||| SWAPPING to +6 heavy broad axe.
 20987 | D:14     | 20987 ||| SWAPPING to +9 broad axe "Kosum" {antimagic,
                  | rC+}.
 20988 | D:14     | 20988 ||| SWAPPING to +6 heavy broad axe.
 20989 | D:14     | 20989 ||| SWAPPING to +9 broad axe "Kosum" {antimagic,
                  | rC+}.
 20990 | D:14     | 20990 ||| SWAPPING to +6 heavy broad axe.
 20991 | D:14     | 20991 ||| SWAPPING to +9 broad axe "Kosum" {antimagic,
                  | rC+}.
 20992 | D:14     | 20992 ||| SWAPPING to +6 heavy broad axe.
 20993 | D:14     | 20993 ||| SWAPPING to +9 broad axe "Kosum" {antimagic,
                  | rC+}.
 20994 | D:14     | 20994 ||| SWAPPING to +6 heavy broad axe.
 20995 | D:14     | 20995 ||| SWAPPING to +9 broad axe "Kosum" {antimagic,
                  | rC+}.
 20996 | D:14     | 20996 ||| SWAPPING to +6 heavy broad axe.
 20997 | D:14     | 20997 ||| SWAPPING to +9 broad axe "Kosum" {antimagic,
                  | rC+}.
 20998 | D:14     | 20998 ||| SWAPPING to +6 heavy broad axe.
 20999 | D:14     | 20999 ||| SWAPPING to +9 broad axe "Kosum" {antimagic,
                  | rC+}.
 21000 | D:14     | 21000 ||| SWAPPING to +6 heavy broad axe.
 21001 | D:14     | 21001 ||| SWAPPING to +9 broad axe "Kosum" {antimagic,
                  | rC+}.
 21002 | D:14     | 21002 ||| SWAPPING to +6 heavy broad axe.
 21003 | D:14     | 21003 ||| SWAPPING to +9 broad axe "Kosum" {antimagic,
                  | rC+}.
 21004 | D:14     | 21004 ||| SWAPPING to +6 heavy broad axe.
 21005 | D:14     | 21005 ||| SWAPPING to +9 broad axe "Kosum" {antimagic,
                  | rC+}.
 21006 | D:14     | 21006 ||| SWAPPING to +6 heavy broad axe.
 21007 | D:14     | 21007 ||| SWAPPING to +9 broad axe "Kosum" {antimagic,
                  | rC+}.
 21008 | D:14     | 21008 ||| SWAPPING to +6 heavy broad axe.
 21009 | D:14     | 21009 ||| SWAPPING to +9 broad axe "Kosum" {antimagic,
                  | rC+}.
 21010 | D:14     | 21010 ||| SWAPPING to +6 heavy broad axe.
 21011 | D:14     | 21011 ||| SWAPPING to +9 broad axe "Kosum" {antimagic,
                  | rC+}.
 21012 | D:14     | 21012 ||| SWAPPING to +6 heavy broad axe.
 21013 | D:14     | 21013 ||| SWAPPING to +9 broad axe "Kosum" {antimagic,
                  | rC+}.
 21014 | D:14     | 21014 ||| SWAPPING to +6 heavy broad axe.
 21015 | D:14     | 21015 ||| SWAPPING to +9 broad axe "Kosum" {antimagic,
                  | rC+}.
 21016 | D:14     | 21016 ||| SWAPPING to +6 heavy broad axe.
 21017 | D:14     | 21017 ||| SWAPPING to +9 broad axe "Kosum" {antimagic,
                  | rC+}.
 21018 | D:14     | 21018 ||| SWAPPING to +6 heavy broad axe.
 21019 | D:14     | 21019 ||| SWAPPING to +9 broad axe "Kosum" {antimagic,
                  | rC+}.
 21020 | D:14     | 21020 ||| SWAPPING to +6 heavy broad axe.
 21021 | D:14     | 21021 ||| SWAPPING to +9 broad axe "Kosum" {antimagic,
                  | rC+}.
 21022 | D:14     | 21022 ||| SWAPPING to +6 heavy broad axe.
 21023 | D:14     | 21023 ||| SWAPPING to +9 broad axe "Kosum" {antimagic,
                  | rC+}.
 21024 | D:14     | 21024 ||| SWAPPING to +6 heavy broad axe.
 21025 | D:14     | 21025 ||| SWAPPING to +9 broad axe "Kosum" {antimagic,
                  | rC+}.
 21026 | D:14     | 21026 ||| SWAPPING to +6 heavy broad axe.
 21027 | D:14     | 21027 ||| SWAPPING to +9 broad axe "Kosum" {antimagic,
                  | rC+}.
 21028 | D:14     | 21028 ||| SWAPPING to +6 heavy broad axe.
 21029 | D:14     | 21029 ||| SWAPPING to +9 broad axe "Kosum" {antimagic,
                  | rC+}.
 21030 | D:14     | 21030 ||| SWAPPING to +6 heavy broad axe.
 21031 | D:14     | 21031 ||| SWAPPING to +9 broad axe "Kosum" {antimagic,
                  | rC+}.
 21032 | D:14     | 21032 ||| SWAPPING to +6 heavy broad axe.
 21033 | D:14     | 21033 ||| SWAPPING to +9 broad axe "Kosum" {antimagic,
                  | rC+}.
 21034 | D:14     | 21034 ||| SWAPPING to +6 heavy broad axe.
 21035 | D:14     | 21035 ||| SWAPPING to +9 broad axe "Kosum" {antimagic,
                  | rC+}.
 21036 | D:14     | 21036 ||| SWAPPING to +6 heavy broad axe.
 21037 | D:14     | 21037 ||| SWAPPING to +9 broad axe "Kosum" {antimagic,
                  | rC+}.
 21038 | D:14     | 21038 ||| SWAPPING to +6 heavy broad axe.
 21039 | D:14     | 21039 ||| SWAPPING to +9 broad axe "Kosum" {antimagic,
                  | rC+}.
 21040 | D:14     | 21040 ||| SWAPPING to +6 heavy broad axe.
 21041 | D:14     | 21041 ||| SWAPPING to +9 broad axe "Kosum" {antimagic,
                  | rC+}.
 21042 | D:14     | 21042 ||| SWAPPING to +6 heavy broad axe.
 21043 | D:14     | 21043 ||| SWAPPING to +9 broad axe "Kosum" {antimagic,
                  | rC+}.
 21044 | D:14     | 21044 ||| SWAPPING to +6 heavy broad axe.
 21045 | D:14     | 21045 ||| SWAPPING to +9 broad axe "Kosum" {antimagic,
                  | rC+}.
 21046 | D:14     | 21046 ||| SWAPPING to +6 heavy broad axe.
 21047 | D:14     | 21047 ||| SWAPPING to +9 broad axe "Kosum" {antimagic,
                  | rC+}.
 21048 | D:14     | 21048 ||| SWAPPING to +6 heavy broad axe.
 21049 | D:14     | 21049 ||| SWAPPING to +9 broad axe "Kosum" {antimagic,
                  | rC+}.
 21050 | D:14     | 21050 ||| SWAPPING to +6 heavy broad axe.
 21051 | D:14     | 21051 ||| SWAPPING to +9 broad axe "Kosum" {antimagic,
                  | rC+}.
 21052 | D:14     | 21052 ||| SWAPPING to +6 heavy broad axe.
 21053 | D:14     | 21053 ||| SWAPPING to +9 broad axe "Kosum" {antimagic,
                  | rC+}.
 21054 | D:14     | 21054 ||| SWAPPING to +6 heavy broad axe.
 21055 | D:14     | 21055 ||| SWAPPING to +9 broad axe "Kosum" {antimagic,
                  | rC+}.
 21056 | D:14     | 21056 ||| SWAPPING to +6 heavy broad axe.
 21057 | D:14     | 21057 ||| SWAPPING to +9 broad axe "Kosum" {antimagic,
                  | rC+}.
 21058 | D:14     | 21058 ||| SWAPPING to +6 heavy broad axe.
 21059 | D:14     | 21059 ||| SWAPPING to +9 broad axe "Kosum" {antimagic,
                  | rC+}.
 21060 | D:14     | 21060 ||| SWAPPING to +6 heavy broad axe.
 21061 | D:14     | 21061 ||| SWAPPING to +9 broad axe "Kosum" {antimagic,
                  | rC+}.
 21062 | D:14     | 21062 ||| SWAPPING to +6 heavy broad axe.
 21063 | D:14     | 21063 ||| SWAPPING to +9 broad axe "Kosum" {antimagic,
                  | rC+}.
 21064 | D:14     | 21064 ||| SWAPPING to +6 heavy broad axe.
 21065 | D:14     | 21065 ||| SWAPPING to +9 broad axe "Kosum" {antimagic,
                  | rC+}.
 21066 | D:14     | 21066 ||| SWAPPING to +6 heavy broad axe.
 21067 | D:14     | 21067 ||| SWAPPING to +9 broad axe "Kosum" {antimagic,
                  | rC+}.
 21068 | D:14     | 21068 ||| SWAPPING to +6 heavy broad axe.
 21069 | D:14     | 21069 ||| SWAPPING to +9 broad axe "Kosum" {antimagic,
                  | rC+}.
 21070 | D:14     | 21070 ||| SWAPPING to +6 heavy broad axe.
 21071 | D:14     | 21071 ||| SWAPPING to +9 broad axe "Kosum" {antimagic,
                  | rC+}.
 21072 | D:14     | 21072 ||| SWAPPING to +6 heavy broad axe.
 21073 | D:14     | 21073 ||| SWAPPING to +9 broad axe "Kosum" {antimagic,
                  | rC+}.
 21074 | D:14     | 21074 ||| SWAPPING to +6 heavy broad axe.
 21075 | D:14     | 21075 ||| SWAPPING to +9 broad axe "Kosum" {antimagic,
                  | rC+}.
 21076 | D:14     | 21076 ||| SWAPPING to +6 heavy broad axe.
 21077 | D:14     | 21077 ||| SWAPPING to +9 broad axe "Kosum" {antimagic,
                  | rC+}.
 21078 | D:14     | 21078 ||| SWAPPING to +6 heavy broad axe.
 21079 | D:14     | 21079 ||| SWAPPING to +9 broad axe "Kosum" {antimagic,
                  | rC+}.
 21080 | D:14     | 21080 ||| SWAPPING to +6 heavy broad axe.
 21081 | D:14     | 21081 ||| SWAPPING to +9 broad axe "Kosum" {antimagic,
                  | rC+}.
 21082 | D:14     | 21082 ||| SWAPPING to +6 heavy broad axe.
 21083 | D:14     | 21083 ||| SWAPPING to +9 broad axe "Kosum" {antimagic,
                  | rC+}.
 21084 | D:14     | 21084 ||| SWAPPING to +6 heavy broad axe.
 21085 | D:14     | 21085 ||| SWAPPING to +9 broad axe "Kosum" {antimagic,
                  | rC+}.
 21086 | D:14     | 21086 ||| SWAPPING to +6 heavy broad axe.
 21087 | D:14     | 21087 ||| SWAPPING to +9 broad axe "Kosum" {antimagic,
                  | rC+}.
 21088 | D:14     | 21088 ||| SWAPPING to +6 heavy broad axe.
 21089 | D:14     | 21089 ||| SWAPPING to +9 broad axe "Kosum" {antimagic,
                  | rC+}.
 21090 | D:14     | 21090 ||| SWAPPING to +6 heavy broad axe.
 21091 | D:14     | 21091 ||| SWAPPING to +9 broad axe "Kosum" {antimagic,
                  | rC+}.
 21092 | D:14     | 21092 ||| SWAPPING to +6 heavy broad axe.
 21093 | D:14     | 21093 ||| SWAPPING to +9 broad axe "Kosum" {antimagic,
                  | rC+}.
 21094 | D:14     | 21094 ||| SWAPPING to +6 heavy broad axe.
 21095 | D:14     | 21095 ||| SWAPPING to +9 broad axe "Kosum" {antimagic,
                  | rC+}.
 21096 | D:14     | 21096 ||| SWAPPING to +6 heavy broad axe.
 21097 | D:14     | 21097 ||| SWAPPING to +9 broad axe "Kosum" {antimagic,
                  | rC+}.
 21098 | D:14     | 21098 ||| SWAPPING to +6 heavy broad axe.
 21099 | D:14     | 21099 ||| SWAPPING to +9 broad axe "Kosum" {antimagic,
                  | rC+}.
 21100 | D:14     | 21100 ||| SWAPPING to +6 heavy broad axe.
 21101 | D:14     | 21101 ||| SWAPPING to +9 broad axe "Kosum" {antimagic,
                  | rC+}.
 21102 | D:14     | 21102 ||| SWAPPING to +6 heavy broad axe.
 21103 | D:14     | 21103 ||| SWAPPING to +9 broad axe "Kosum" {antimagic,
                  | rC+}.
 21104 | D:14     | 21104 ||| SWAPPING to +6 heavy broad axe.
 21105 | D:14     | 21105 ||| SWAPPING to +9 broad axe "Kosum" {antimagic,
                  | rC+}.
 21106 | D:14     | 21106 ||| SWAPPING to +6 heavy broad axe.
 21107 | D:14     | 21107 ||| SWAPPING to +9 broad axe "Kosum" {antimagic,
                  | rC+}.
 21108 | D:14     | 21108 ||| SWAPPING to +6 heavy broad axe.
 21109 | D:14     | 21109 ||| SWAPPING to +9 broad axe "Kosum" {antimagic,
                  | rC+}.
 21110 | D:14     | 21110 ||| SWAPPING to +6 heavy broad axe.
 21111 | D:14     | 21111 ||| SWAPPING to +9 broad axe "Kosum" {antimagic,
                  | rC+}.
 21112 | D:14     | 21112 ||| SWAPPING to +6 heavy broad axe.
 21113 | D:14     | 21113 ||| SWAPPING to +9 broad axe "Kosum" {antimagic,
                  | rC+}.
 21114 | D:14     | 21114 ||| SWAPPING to +6 heavy broad axe.
 21115 | D:14     | 21115 ||| SWAPPING to +9 broad axe "Kosum" {antimagic,
                  | rC+}.
 21116 | D:14     | 21116 ||| SWAPPING to +6 heavy broad axe.
 21117 | D:14     | 21117 ||| SWAPPING to +9 broad axe "Kosum" {antimagic,
                  | rC+}.
 21118 | D:14     | 21118 ||| SWAPPING to +6 heavy broad axe.
 21119 | D:14     | 21119 ||| SWAPPING to +9 broad axe "Kosum" {antimagic,
                  | rC+}.
 21120 | D:14     | 21120 ||| SWAPPING to +6 heavy broad axe.
 21121 | D:14     | 21121 ||| SWAPPING to +9 broad axe "Kosum" {antimagic,
                  | rC+}.
 21122 | D:14     | 21122 ||| SWAPPING to +6 heavy broad axe.
 21123 | D:14     | 21123 ||| SWAPPING to +9 broad axe "Kosum" {antimagic,
                  | rC+}.
 21124 | D:14     | 21124 ||| SWAPPING to +6 heavy broad axe.
 21125 | D:14     | 21125 ||| SWAPPING to +9 broad axe "Kosum" {antimagic,
                  | rC+}.
 21126 | D:14     | 21126 ||| SWAPPING to +6 heavy broad axe.
 21127 | D:14     | 21127 ||| SWAPPING to +9 broad axe "Kosum" {antimagic,
                  | rC+}.
 21128 | D:14     | 21128 ||| SWAPPING to +6 heavy broad axe.
 21129 | D:14     | 21129 ||| SWAPPING to +9 broad axe "Kosum" {antimagic,
                  | rC+}.
 21130 | D:14     | 21130 ||| SWAPPING to +6 heavy broad axe.
 21131 | D:14     | 21131 ||| SWAPPING to +9 broad axe "Kosum" {antimagic,
                  | rC+}.
 21132 | D:14     | 21132 ||| SWAPPING to +6 heavy broad axe.
 21133 | D:14     | 21133 ||| SWAPPING to +9 broad axe "Kosum" {antimagic,
                  | rC+}.
 21134 | D:14     | 21134 ||| SWAPPING to +6 heavy broad axe.
 21135 | D:14     | 21135 ||| SWAPPING to +9 broad axe "Kosum" {antimagic,
                  | rC+}.
 21136 | D:14     | 21136 ||| SWAPPING to +6 heavy broad axe.
 21137 | D:14     | 21137 ||| SWAPPING to +9 broad axe "Kosum" {antimagic,
                  | rC+}.
 21138 | D:14     | 21138 ||| SWAPPING to +6 heavy broad axe.
 21139 | D:14     | 21139 ||| SWAPPING to +9 broad axe "Kosum" {antimagic,
                  | rC+}.
 21140 | D:14     | 21140 ||| SWAPPING to +6 heavy broad axe.
 21141 | D:14     | 21141 ||| SWAPPING to +9 broad axe "Kosum" {antimagic,
                  | rC+}.
 21142 | D:14     | 21142 ||| SWAPPING to +6 heavy broad axe.
 21143 | D:14     | 21143 ||| SWAPPING to +9 broad axe "Kosum" {antimagic,
                  | rC+}.
 21144 | D:14     | 21144 ||| SWAPPING to +6 heavy broad axe.
 21145 | D:14     | 21145 ||| SWAPPING to +9 broad axe "Kosum" {antimagic,
                  | rC+}.
 21146 | D:14     | 21146 ||| SWAPPING to +6 heavy broad axe.
 21147 | D:14     | 21147 ||| SWAPPING to +9 broad axe "Kosum" {antimagic,
                  | rC+}.
 21148 | D:14     | 21148 ||| SWAPPING to +6 heavy broad axe.
 21149 | D:14     | 21149 ||| SWAPPING to +9 broad axe "Kosum" {antimagic,
                  | rC+}.
 21150 | D:14     | 21150 ||| SWAPPING to +6 heavy broad axe.
 21151 | D:14     | 21151 ||| SWAPPING to +9 broad axe "Kosum" {antimagic,
                  | rC+}.
 21152 | D:14     | 21152 ||| SWAPPING to +6 heavy broad axe.
 21153 | D:14     | 21153 ||| SWAPPING to +9 broad axe "Kosum" {antimagic,
                  | rC+}.
 21154 | D:14     | 21154 ||| SWAPPING to +6 heavy broad axe.
 21155 | D:14     | 21155 ||| SWAPPING to +9 broad axe "Kosum" {antimagic,
                  | rC+}.
 21156 | D:14     | 21156 ||| SWAPPING to +6 heavy broad axe.
 21157 | D:14     | 21157 ||| SWAPPING to +9 broad axe "Kosum" {antimagic,
                  | rC+}.
 21158 | D:14     | 21158 ||| SWAPPING to +6 heavy broad axe.
 21159 | D:14     | 21159 ||| SWAPPING to +9 broad axe "Kosum" {antimagic,
                  | rC+}.
 21160 | D:14     | 21160 ||| SWAPPING to +6 heavy broad axe.
 21161 | D:14     | 21161 ||| SWAPPING to +9 broad axe "Kosum" {antimagic,
                  | rC+}.
 21162 | D:14     | 21162 ||| SWAPPING to +6 heavy broad axe.
 21163 | D:14     | 21163 ||| SWAPPING to +9 broad axe "Kosum" {antimagic,
                  | rC+}.
 21164 | D:14     | 21164 ||| SWAPPING to +6 heavy broad axe.
 21165 | D:14     | 21165 ||| SWAPPING to +9 broad axe "Kosum" {antimagic,
                  | rC+}.
 21166 | D:14     | 21166 ||| SWAPPING to +6 heavy broad axe.
 21167 | D:14     | 21167 ||| SWAPPING to +9 broad axe "Kosum" {antimagic,
                  | rC+}.
 21168 | D:14     | 21168 ||| SWAPPING to +6 heavy broad axe.
 21169 | D:14     | 21169 ||| SWAPPING to +9 broad axe "Kosum" {antimagic,
                  | rC+}.
 21170 | D:14     | 21170 ||| SWAPPING to +6 heavy broad axe.
 21171 | D:14     | 21171 ||| SWAPPING to +9 broad axe "Kosum" {antimagic,
                  | rC+}.
 21172 | D:14     | 21172 ||| SWAPPING to +6 heavy broad axe.
 21173 | D:14     | 21173 ||| SWAPPING to +9 broad axe "Kosum" {antimagic,
                  | rC+}.
 21174 | D:14     | 21174 ||| SWAPPING to +6 heavy broad axe.
 21175 | D:14     | 21175 ||| SWAPPING to +9 broad axe "Kosum" {antimagic,
                  | rC+}.
 21176 | D:14     | 21176 ||| SWAPPING to +6 heavy broad axe.
 21177 | D:14     | 21177 ||| SWAPPING to +9 broad axe "Kosum" {antimagic,
                  | rC+}.
 21178 | D:14     | 21178 ||| SWAPPING to +6 heavy broad axe.
 21179 | D:14     | 21179 ||| SWAPPING to +9 broad axe "Kosum" {antimagic,
                  | rC+}.
 21180 | D:14     | 21180 ||| SWAPPING to +6 heavy broad axe.
 21181 | D:14     | 21181 ||| SWAPPING to +9 broad axe "Kosum" {antimagic,
                  | rC+}.
 21182 | D:14     | 21182 ||| SWAPPING to +6 heavy broad axe.
 21183 | D:14     | 21183 ||| SWAPPING to +9 broad axe "Kosum" {antimagic,
                  | rC+}.
 21184 | D:14     | 21184 ||| SWAPPING to +6 heavy broad axe.
 21185 | D:14     | 21185 ||| SWAPPING to +9 broad axe "Kosum" {antimagic,
                  | rC+}.
 21186 | D:14     | 21186 ||| SWAPPING to +6 heavy broad axe.
 21187 | D:14     | 21187 ||| SWAPPING to +9 broad axe "Kosum" {antimagic,
                  | rC+}.
 21188 | D:14     | 21188 ||| SWAPPING to +6 heavy broad axe.
 21189 | D:14     | 21189 ||| SWAPPING to +9 broad axe "Kosum" {antimagic,
                  | rC+}.
 21190 | D:14     | 21190 ||| SWAPPING to +6 heavy broad axe.
 21191 | D:14     | 21191 ||| SWAPPING to +9 broad axe "Kosum" {antimagic,
                  | rC+}.
 21192 | D:14     | 21192 ||| SWAPPING to +6 heavy broad axe.
 21193 | D:14     | 21193 ||| SWAPPING to +9 broad axe "Kosum" {antimagic,
                  | rC+}.
 21194 | D:14     | 21194 ||| SWAPPING to +6 heavy broad axe.
 21195 | D:14     | 21195 ||| SWAPPING to +9 broad axe "Kosum" {antimagic,
                  | rC+}.
 21196 | D:14     | 21196 ||| SWAPPING to +6 heavy broad axe.
 21197 | D:14     | 21197 ||| SWAPPING to +9 broad axe "Kosum" {antimagic,
                  | rC+}.
 21198 | D:14     | 21198 ||| SWAPPING to +6 heavy broad axe.
 21199 | D:14     | 21199 ||| SWAPPING to +9 broad axe "Kosum" {antimagic,
                  | rC+}.
 21200 | D:14     | 21200 ||| SWAPPING to +6 heavy broad axe.
 21201 | D:14     | 21201 ||| SWAPPING to +9 broad axe "Kosum" {antimagic,
                  | rC+}.
 21202 | D:14     | 21202 ||| SWAPPING to +6 heavy broad axe.
 21203 | D:14     | 21203 ||| SWAPPING to +9 broad axe "Kosum" {antimagic,
                  | rC+}.
 21204 | D:14     | 21204 ||| SWAPPING to +6 heavy broad axe.
 21205 | D:14     | 21205 ||| SWAPPING to +9 broad axe "Kosum" {antimagic,
                  | rC+}.
 21206 | D:14     | 21206 ||| SWAPPING to +6 heavy broad axe.
 21207 | D:14     | 21207 ||| SWAPPING to +9 broad axe "Kosum" {antimagic,
                  | rC+}.
 21208 | D:14     | 21208 ||| SWAPPING to +6 heavy broad axe.
 21209 | D:14     | 21209 ||| SWAPPING to +9 broad axe "Kosum" {antimagic,
                  | rC+}.
 21210 | D:14     | 21210 ||| SWAPPING to +6 heavy broad axe.
 21211 | D:14     | 21211 ||| SWAPPING to +9 broad axe "Kosum" {antimagic,
                  | rC+}.
 21212 | D:14     | 21212 ||| SWAPPING to +6 heavy broad axe.
 21213 | D:14     | 21213 ||| SWAPPING to +9 broad axe "Kosum" {antimagic,
                  | rC+}.
 21214 | D:14     | 21214 ||| SWAPPING to +6 heavy broad axe.
 21215 | D:14     | 21215 ||| SWAPPING to +9 broad axe "Kosum" {antimagic,
                  | rC+}.
 21216 | D:14     | 21216 ||| SWAPPING to +6 heavy broad axe.
 21217 | D:14     | 21217 ||| SWAPPING to +9 broad axe "Kosum" {antimagic,
                  | rC+}.
 21218 | D:14     | 21218 ||| SWAPPING to +6 heavy broad axe.
 21219 | D:14     | 21219 ||| SWAPPING to +9 broad axe "Kosum" {antimagic,
                  | rC+}.
 21220 | D:14     | 21220 ||| SWAPPING to +6 heavy broad axe.
 21221 | D:14     | 21221 ||| SWAPPING to +9 broad axe "Kosum" {antimagic,
                  | rC+}.
 21222 | D:14     | 21222 ||| SWAPPING to +6 heavy broad axe.
 21223 | D:14     | 21223 ||| SWAPPING to +9 broad axe "Kosum" {antimagic,
                  | rC+}.
 21224 | D:14     | 21224 ||| SWAPPING to +6 heavy broad axe.
 21225 | D:14     | 21225 ||| SWAPPING to +9 broad axe "Kosum" {antimagic,
                  | rC+}.
 21226 | D:14     | 21226 ||| SWAPPING to +6 heavy broad axe.
 21227 | D:14     | 21227 ||| SWAPPING to +9 broad axe "Kosum" {antimagic,
                  | rC+}.
 21228 | D:14     | 21228 ||| SWAPPING to +6 heavy broad axe.
 21229 | D:14     | 21229 ||| SWAPPING to +9 broad axe "Kosum" {antimagic,
                  | rC+}.
 21230 | D:14     | 21230 ||| SWAPPING to +6 heavy broad axe.
 21231 | D:14     | 21231 ||| SWAPPING to +9 broad axe "Kosum" {antimagic,
                  | rC+}.
 21232 | D:14     | 21232 ||| SWAPPING to +6 heavy broad axe.
 21233 | D:14     | 21233 ||| SWAPPING to +9 broad axe "Kosum" {antimagic,
                  | rC+}.
 21234 | D:14     | 21234 ||| SWAPPING to +6 heavy broad axe.
 21235 | D:14     | 21235 ||| SWAPPING to +9 broad axe "Kosum" {antimagic,
                  | rC+}.
 21236 | D:14     | 21236 ||| SWAPPING to +6 heavy broad axe.
 21237 | D:14     | 21237 ||| SWAPPING to +9 broad axe "Kosum" {antimagic,
                  | rC+}.
 21238 | D:14     | 21238 ||| SWAPPING to +6 heavy broad axe.
 21239 | D:14     | 21239 ||| SWAPPING to +9 broad axe "Kosum" {antimagic,
                  | rC+}.
 21240 | D:14     | 21240 ||| SWAPPING to +6 heavy broad axe.
 21241 | D:14     | 21241 ||| SWAPPING to +9 broad axe "Kosum" {antimagic,
                  | rC+}.
 21242 | D:14     | 21242 ||| SWAPPING to +6 heavy broad axe.
 21243 | D:14     | 21243 ||| SWAPPING to +9 broad axe "Kosum" {antimagic,
                  | rC+}.
 21244 | D:14     | 21244 ||| SWAPPING to +6 heavy broad axe.
 21245 | D:14     | 21245 ||| SWAPPING to +9 broad axe "Kosum" {antimagic,
                  | rC+}.
 21246 | D:14     | 21246 ||| SWAPPING to +6 heavy broad axe.
 21247 | D:14     | 21247 ||| SWAPPING to +9 broad axe "Kosum" {antimagic,
                  | rC+}.
 21248 | D:14     | 21248 ||| SWAPPING to +6 heavy broad axe.
 21249 | D:14     | 21249 ||| SWAPPING to +9 broad axe "Kosum" {antimagic,
                  | rC+}.
 21250 | D:14     | 21250 ||| SWAPPING to +6 heavy broad axe.
 21251 | D:14     | 21251 ||| SWAPPING to +9 broad axe "Kosum" {antimagic,
                  | rC+}.
 21252 | D:14     | 21252 ||| SWAPPING to +6 heavy broad axe.
 21253 | D:14     | 21253 ||| SWAPPING to +9 broad axe "Kosum" {antimagic,
                  | rC+}.
 21254 | D:14     | 21254 ||| SWAPPING to +6 heavy broad axe.
 21255 | D:14     | 21255 ||| SWAPPING to +9 broad axe "Kosum" {antimagic,
                  | rC+}.
 21256 | D:14     | 21256 ||| SWAPPING to +6 heavy broad axe.
 21257 | D:14     | 21257 ||| SWAPPING to +9 broad axe "Kosum" {antimagic,
                  | rC+}.
 21258 | D:14     | 21258 ||| SWAPPING to +6 heavy broad axe.
 21259 | D:14     | 21259 ||| SWAPPING to +9 broad axe "Kosum" {antimagic,
                  | rC+}.
 21260 | D:14     | 21260 ||| SWAPPING to +6 heavy broad axe.
 21261 | D:14     | 21261 ||| SWAPPING to +9 broad axe "Kosum" {antimagic,
                  | rC+}.
 21262 | D:14     | 21262 ||| SWAPPING to +6 heavy broad axe.
 21263 | D:14     | 21263 ||| SWAPPING to +9 broad axe "Kosum" {antimagic,
                  | rC+}.
 21264 | D:14     | 21264 ||| SWAPPING to +6 heavy broad axe.
 21265 | D:14     | 21265 ||| SWAPPING to +9 broad axe "Kosum" {antimagic,
                  | rC+}.
 21266 | D:14     | 21266 ||| SWAPPING to +6 heavy broad axe.
 21267 | D:14     | 21267 ||| SWAPPING to +9 broad axe "Kosum" {antimagic,
                  | rC+}.
 21268 | D:14     | 21268 ||| SWAPPING to +6 heavy broad axe.
 21269 | D:14     | 21269 ||| SWAPPING to +9 broad axe "Kosum" {antimagic,
                  | rC+}.
 21270 | D:14     | 21270 ||| SWAPPING to +6 heavy broad axe.
 21271 | D:14     | 21271 ||| SWAPPING to +9 broad axe "Kosum" {antimagic,
                  | rC+}.
 21272 | D:14     | 21272 ||| SWAPPING to +6 heavy broad axe.
 21273 | D:14     | 21273 ||| SWAPPING to +9 broad axe "Kosum" {antimagic,
                  | rC+}.
 21274 | D:14     | 21274 ||| SWAPPING to +6 heavy broad axe.
 21275 | D:14     | 21275 ||| SWAPPING to +9 broad axe "Kosum" {antimagic,
                  | rC+}.
 21276 | D:14     | 21276 ||| SWAPPING to +6 heavy broad axe.
 21277 | D:14     | 21277 ||| SWAPPING to +9 broad axe "Kosum" {antimagic,
                  | rC+}.
 21278 | D:14     | 21278 ||| SWAPPING to +6 heavy broad axe.
 21279 | D:14     | 21279 ||| SWAPPING to +9 broad axe "Kosum" {antimagic,
                  | rC+}.
 21280 | D:14     | 21280 ||| SWAPPING to +6 heavy broad axe.
 21281 | D:14     | 21281 ||| SWAPPING to +9 broad axe "Kosum" {antimagic,
                  | rC+}.
 21282 | D:14     | 21282 ||| SWAPPING to +6 heavy broad axe.
 21283 | D:14     | 21283 ||| SWAPPING to +9 broad axe "Kosum" {antimagic,
                  | rC+}.
 21284 | D:14     | 21284 ||| SWAPPING to +6 heavy broad axe.
 21285 | D:14     | 21285 ||| SWAPPING to +9 broad axe "Kosum" {antimagic,
                  | rC+}.
 21286 | D:14     | 21286 ||| SWAPPING to +6 heavy broad axe.
 21287 | D:14     | 21287 ||| SWAPPING to +9 broad axe "Kosum" {antimagic,
                  | rC+}.
 21288 | D:14     | 21288 ||| SWAPPING to +6 heavy broad axe.
 21289 | D:14     | 21289 ||| SWAPPING to +9 broad axe "Kosum" {antimagic,
                  | rC+}.
 21290 | D:14     | 21290 ||| SWAPPING to +6 heavy broad axe.
 21291 | D:14     | 21291 ||| SWAPPING to +9 broad axe "Kosum" {antimagic,
                  | rC+}.
 21292 | D:14     | 21292 ||| SWAPPING to +6 heavy broad axe.
 21293 | D:14     | 21293 ||| SWAPPING to +9 broad axe "Kosum" {antimagic,
                  | rC+}.
 21294 | D:14     | 21294 ||| SWAPPING to +6 heavy broad axe.
 21295 | D:14     | 21295 ||| SWAPPING to +9 broad axe "Kosum" {antimagic,
                  | rC+}.
 21296 | D:14     | 21296 ||| SWAPPING to +6 heavy broad axe.
 21297 | D:14     | 21297 ||| SWAPPING to +9 broad axe "Kosum" {antimagic,
                  | rC+}.
 21298 | D:14     | 21298 ||| SWAPPING to +6 heavy broad axe.
 21299 | D:14     | 21299 ||| SWAPPING to +9 broad axe "Kosum" {antimagic,
                  | rC+}.
 21300 | D:14     | 21300 ||| SWAPPING to +6 heavy broad axe.
 21301 | D:14     | 21301 ||| SWAPPING to +9 broad axe "Kosum" {antimagic,
                  | rC+}.
 21302 | D:14     | 21302 ||| SWAPPING to +6 heavy broad axe.
 21303 | D:14     | 21303 ||| SWAPPING to +9 broad axe "Kosum" {antimagic,
                  | rC+}.
 21304 | D:14     | 21304 ||| SWAPPING to +6 heavy broad axe.
 21305 | D:14     | 21305 ||| SWAPPING to +9 broad axe "Kosum" {antimagic,
                  | rC+}.
 21306 | D:14     | 21306 ||| SWAPPING to +6 heavy broad axe.
 21307 | D:14     | 21307 ||| SWAPPING to +9 broad axe "Kosum" {antimagic,
                  | rC+}.
 21308 | D:14     | 21308 ||| SWAPPING to +6 heavy broad axe.
 21309 | D:14     | 21309 ||| SWAPPING to +9 broad axe "Kosum" {antimagic,
                  | rC+}.
 21310 | D:14     | 21310 ||| SWAPPING to +6 heavy broad axe.
 21311 | D:14     | 21311 ||| SWAPPING to +9 broad axe "Kosum" {antimagic,
                  | rC+}.
 21312 | D:14     | 21312 ||| SWAPPING to +6 heavy broad axe.
 21313 | D:14     | 21313 ||| SWAPPING to +9 broad axe "Kosum" {antimagic,
                  | rC+}.
 21314 | D:14     | 21314 ||| SWAPPING to +6 heavy broad axe.
 21315 | D:14     | 21315 ||| SWAPPING to +9 broad axe "Kosum" {antimagic,
                  | rC+}.
 21316 | D:14     | 21316 ||| SWAPPING to +6 heavy broad axe.
 21317 | D:14     | 21317 ||| SWAPPING to +9 broad axe "Kosum" {antimagic,
                  | rC+}.
 21318 | D:14     | 21318 ||| SWAPPING to +6 heavy broad axe.
 21319 | D:14     | 21319 ||| SWAPPING to +9 broad axe "Kosum" {antimagic,
                  | rC+}.
 21320 | D:14     | 21320 ||| SWAPPING to +6 heavy broad axe.
 21321 | D:14     | 21321 ||| SWAPPING to +9 broad axe "Kosum" {antimagic,
                  | rC+}.
 21322 | D:14     | 21322 ||| SWAPPING to +6 heavy broad axe.
 21323 | D:14     | 21323 ||| SWAPPING to +9 broad axe "Kosum" {antimagic,
                  | rC+}.
 21324 | D:14     | 21324 ||| SWAPPING to +6 heavy broad axe.
 21325 | D:14     | 21325 ||| SWAPPING to +9 broad axe "Kosum" {antimagic,
                  | rC+}.
 21326 | D:14     | 21326 ||| SWAPPING to +6 heavy broad axe.
 21327 | D:14     | 21327 ||| SWAPPING to +9 broad axe "Kosum" {antimagic,
                  | rC+}.
 21328 | D:14     | 21328 ||| SWAPPING to +6 heavy broad axe.
 21329 | D:14     | 21329 ||| SWAPPING to +9 broad axe "Kosum" {antimagic,
                  | rC+}.
 21330 | D:14     | 21330 ||| SWAPPING to +6 heavy broad axe.
 21331 | D:14     | 21331 ||| SWAPPING to +9 broad axe "Kosum" {antimagic,
                  | rC+}.
 21332 | D:14     | 21332 ||| SWAPPING to +6 heavy broad axe.
 21333 | D:14     | 21333 ||| SWAPPING to +9 broad axe "Kosum" {antimagic,
                  | rC+}.
 21334 | D:14     | 21334 ||| SWAPPING to +6 heavy broad axe.
 21335 | D:14     | 21335 ||| SWAPPING to +9 broad axe "Kosum" {antimagic,
                  | rC+}.
 21336 | D:14     | 21336 ||| SWAPPING to +6 heavy broad axe.
 21337 | D:14     | 21337 ||| SWAPPING to +9 broad axe "Kosum" {antimagic,
                  | rC+}.
 21338 | D:14     | 21338 ||| SWAPPING to +6 heavy broad axe.
 21339 | D:14     | 21339 ||| SWAPPING to +9 broad axe "Kosum" {antimagic,
                  | rC+}.
 21340 | D:14     | 21340 ||| SWAPPING to +6 heavy broad axe.
 21341 | D:14     | 21341 ||| SWAPPING to +9 broad axe "Kosum" {antimagic,
                  | rC+}.
 21342 | D:14     | 21342 ||| SWAPPING to +6 heavy broad axe.
 21343 | D:14     | 21343 ||| SWAPPING to +9 broad axe "Kosum" {antimagic,
                  | rC+}.
 21344 | D:14     | 21344 ||| SWAPPING to +6 heavy broad axe.
 21345 | D:14     | 21345 ||| SWAPPING to +9 broad axe "Kosum" {antimagic,
                  | rC+}.
 21346 | D:14     | 21346 ||| SWAPPING to +6 heavy broad axe.
 21347 | D:14     | 21347 ||| SWAPPING to +9 broad axe "Kosum" {antimagic,
                  | rC+}.
 21348 | D:14     | 21348 ||| SWAPPING to +6 heavy broad axe.
 21349 | D:14     | 21349 ||| SWAPPING to +9 broad axe "Kosum" {antimagic,
                  | rC+}.
 21350 | D:14     | 21350 ||| SWAPPING to +6 heavy broad axe.
 21351 | D:14     | 21351 ||| SWAPPING to +9 broad axe "Kosum" {antimagic,
                  | rC+}.
 21352 | D:14     | 21352 ||| SWAPPING to +6 heavy broad axe.
 21353 | D:14     | 21353 ||| SWAPPING to +9 broad axe "Kosum" {antimagic,
                  | rC+}.
 21354 | D:14     | 21354 ||| SWAPPING to +6 heavy broad axe.
 21355 | D:14     | 21355 ||| SWAPPING to +9 broad axe "Kosum" {antimagic,
                  | rC+}.
 21356 | D:14     | 21356 ||| SWAPPING to +6 heavy broad axe.
 21357 | D:14     | 21357 ||| SWAPPING to +9 broad axe "Kosum" {antimagic,
                  | rC+}.
 21358 | D:14     | 21358 ||| SWAPPING to +6 heavy broad axe.
 21359 | D:14     | 21359 ||| SWAPPING to +9 broad axe "Kosum" {antimagic,
                  | rC+}.
 21360 | D:14     | 21360 ||| SWAPPING to +6 heavy broad axe.
 21361 | D:14     | 21361 ||| SWAPPING to +9 broad axe "Kosum" {antimagic,
                  | rC+}.
 21362 | D:14     | 21362 ||| SWAPPING to +6 heavy broad axe.
 21363 | D:14     | 21363 ||| SWAPPING to +9 broad axe "Kosum" {antimagic,
                  | rC+}.
 21364 | D:14     | 21364 ||| SWAPPING to +6 heavy broad axe.
 21365 | D:14     | 21365 ||| SWAPPING to +9 broad axe "Kosum" {antimagic,
                  | rC+}.
 21366 | D:14     | 21366 ||| SWAPPING to +6 heavy broad axe.
 21367 | D:14     | 21367 ||| SWAPPING to +9 broad axe "Kosum" {antimagic,
                  | rC+}.
 21368 | D:14     | 21368 ||| SWAPPING to +6 heavy broad axe.
 21369 | D:14     | 21369 ||| SWAPPING to +9 broad axe "Kosum" {antimagic,
                  | rC+}.
 21370 | D:14     | 21370 ||| SWAPPING to +6 heavy broad axe.
 21371 | D:14     | 21371 ||| SWAPPING to +9 broad axe "Kosum" {antimagic,
                  | rC+}.
 21372 | D:14     | 21372 ||| SWAPPING to +6 heavy broad axe.
 21373 | D:14     | 21373 ||| SWAPPING to +9 broad axe "Kosum" {antimagic,
                  | rC+}.
 21374 | D:14     | 21374 ||| SWAPPING to +6 heavy broad axe.
 21375 | D:14     | 21375 ||| SWAPPING to +9 broad axe "Kosum" {antimagic,
                  | rC+}.
 21376 | D:14     | 21376 ||| SWAPPING to +6 heavy broad axe.
 21377 | D:14     | 21377 ||| SWAPPING to +9 broad axe "Kosum" {antimagic,
                  | rC+}.
 21378 | D:14     | 21378 ||| SWAPPING to +6 heavy broad axe.
 21379 | D:14     | 21379 ||| SWAPPING to +9 broad axe "Kosum" {antimagic,
                  | rC+}.
 21380 | D:14     | 21380 ||| SWAPPING to +6 heavy broad axe.
 21381 | D:14     | 21381 ||| SWAPPING to +9 broad axe "Kosum" {antimagic,
                  | rC+}.
 21382 | D:14     | 21382 ||| SWAPPING to +6 heavy broad axe.
 21383 | D:14     | 21383 ||| SWAPPING to +9 broad axe "Kosum" {antimagic,
                  | rC+}.
 21384 | D:14     | 21384 ||| SWAPPING to +6 heavy broad axe.
 21385 | D:14     | 21385 ||| SWAPPING to +9 broad axe "Kosum" {antimagic,
                  | rC+}.
 21386 | D:14     | 21386 ||| SWAPPING to +6 heavy broad axe.
 21387 | D:14     | 21387 ||| SWAPPING to +9 broad axe "Kosum" {antimagic,
                  | rC+}.
 21388 | D:14     | 21388 ||| SWAPPING to +6 heavy broad axe.
 21389 | D:14     | 21389 ||| SWAPPING to +9 broad axe "Kosum" {antimagic,
                  | rC+}.
 21390 | D:14     | 21390 ||| SWAPPING to +6 heavy broad axe.
 21391 | D:14     | 21391 ||| SWAPPING to +9 broad axe "Kosum" {antimagic,
                  | rC+}.
 21392 | D:14     | 21392 ||| SWAPPING to +6 heavy broad axe.
 21393 | D:14     | 21393 ||| SWAPPING to +9 broad axe "Kosum" {antimagic,
                  | rC+}.
 21394 | D:14     | 21394 ||| SWAPPING to +6 heavy broad axe.
 21395 | D:14     | 21395 ||| SWAPPING to +9 broad axe "Kosum" {antimagic,
                  | rC+}.
 21396 | D:14     | 21396 ||| SWAPPING to +6 heavy broad axe.
 21397 | D:14     | 21397 ||| SWAPPING to +9 broad axe "Kosum" {antimagic,
                  | rC+}.
 21398 | D:14     | 21398 ||| SWAPPING to +6 heavy broad axe.
 21399 | D:14     | 21399 ||| SWAPPING to +9 broad axe "Kosum" {antimagic,
                  | rC+}.
 21400 | D:14     | 21400 ||| SWAPPING to +6 heavy broad axe.
 21401 | D:14     | 21401 ||| SWAPPING to +9 broad axe "Kosum" {antimagic,
                  | rC+}.
 21402 | D:14     | 21402 ||| SWAPPING to +6 heavy broad axe.
 21403 | D:14     | 21403 ||| SWAPPING to +9 broad axe "Kosum" {antimagic,
                  | rC+}.
 21404 | D:14     | 21404 ||| SWAPPING to +6 heavy broad axe.
 21405 | D:14     | 21405 ||| SWAPPING to +9 broad axe "Kosum" {antimagic,
                  | rC+}.
 21406 | D:14     | 21406 ||| SWAPPING to +6 heavy broad axe.
 21407 | D:14     | 21407 ||| SWAPPING to +9 broad axe "Kosum" {antimagic,
                  | rC+}.
 21408 | D:14     | 21408 ||| SWAPPING to +6 heavy broad axe.
 21409 | D:14     | 21409 ||| SWAPPING to +9 broad axe "Kosum" {antimagic,
                  | rC+}.
 21410 | D:14     | 21410 ||| SWAPPING to +6 heavy broad axe.
 21411 | D:14     | 21411 ||| SWAPPING to +9 broad axe "Kosum" {antimagic,
                  | rC+}.
 21412 | D:14     | 21412 ||| SWAPPING to +6 heavy broad axe.
 21413 | D:14     | 21413 ||| SWAPPING to +9 broad axe "Kosum" {antimagic,
                  | rC+}.
 21414 | D:14     | 21414 ||| SWAPPING to +6 heavy broad axe.
 21415 | D:14     | 21415 ||| SWAPPING to +9 broad axe "Kosum" {antimagic,
                  | rC+}.
 21416 | D:14     | 21416 ||| SWAPPING to +6 heavy broad axe.
 21417 | D:14     | 21417 ||| SWAPPING to +9 broad axe "Kosum" {antimagic,
                  | rC+}.
 21418 | D:14     | 21418 ||| SWAPPING to +6 heavy broad axe.
 21419 | D:14     | 21419 ||| SWAPPING to +9 broad axe "Kosum" {antimagic,
                  | rC+}.
 21420 | D:14     | 21420 ||| SWAPPING to +6 heavy broad axe.
 21421 | D:14     | 21421 ||| SWAPPING to +9 broad axe "Kosum" {antimagic,
                  | rC+}.
 21422 | D:14     | 21422 ||| SWAPPING to +6 heavy broad axe.
 21423 | D:14     | 21423 ||| SWAPPING to +9 broad axe "Kosum" {antimagic,
                  | rC+}.
 21424 | D:14     | 21424 ||| SWAPPING to +6 heavy broad axe.
 21425 | D:14     | 21425 ||| SWAPPING to +9 broad axe "Kosum" {antimagic,
                  | rC+}.
 21426 | D:14     | 21426 ||| SWAPPING to +6 heavy broad axe.
 21427 | D:14     | 21427 ||| SWAPPING to +9 broad axe "Kosum" {antimagic,
                  | rC+}.
 21428 | D:14     | 21428 ||| SWAPPING to +6 heavy broad axe.
 21429 | D:14     | 21429 ||| SWAPPING to +9 broad axe "Kosum" {antimagic,
                  | rC+}.
 21430 | D:14     | 21430 ||| SWAPPING to +6 heavy broad axe.
 21431 | D:14     | 21431 ||| SWAPPING to +9 broad axe "Kosum" {antimagic,
                  | rC+}.
 21432 | D:14     | 21432 ||| SWAPPING to +6 heavy broad axe.
 21433 | D:14     | 21433 ||| SWAPPING to +9 broad axe "Kosum" {antimagic,
                  | rC+}.
 21434 | D:14     | 21434 ||| SWAPPING to +6 heavy broad axe.
 21435 | D:14     | 21435 ||| SWAPPING to +9 broad axe "Kosum" {antimagic,
                  | rC+}.
 21436 | D:14     | 21436 ||| SWAPPING to +6 heavy broad axe.
 21437 | D:14     | 21437 ||| SWAPPING to +9 broad axe "Kosum" {antimagic,
                  | rC+}.
 21438 | D:14     | 21438 ||| SWAPPING to +6 heavy broad axe.
 21439 | D:14     | 21439 ||| SWAPPING to +9 broad axe "Kosum" {antimagic,
                  | rC+}.
 21440 | D:14     | 21440 ||| SWAPPING to +6 heavy broad axe.
 21441 | D:14     | 21441 ||| SWAPPING to +9 broad axe "Kosum" {antimagic,
                  | rC+}.
 21442 | D:14     | 21442 ||| SWAPPING to +6 heavy broad axe.
 21443 | D:14     | 21443 ||| SWAPPING to +9 broad axe "Kosum" {antimagic,
                  | rC+}.
 21444 | D:14     | 21444 ||| SWAPPING to +6 heavy broad axe.
 21445 | D:14     | 21445 ||| SWAPPING to +9 broad axe "Kosum" {antimagic,
                  | rC+}.
 21446 | D:14     | 21446 ||| SWAPPING to +6 heavy broad axe.
 21447 | D:14     | 21447 ||| SWAPPING to +9 broad axe "Kosum" {antimagic,
                  | rC+}.
 21448 | D:14     | 21448 ||| SWAPPING to +6 heavy broad axe.
 21449 | D:14     | 21449 ||| SWAPPING to +9 broad axe "Kosum" {antimagic,
                  | rC+}.
 21450 | D:14     | 21450 ||| SWAPPING to +6 heavy broad axe.
 21451 | D:14     | 21451 ||| SWAPPING to +9 broad axe "Kosum" {antimagic,
                  | rC+}.
 21452 | D:14     | 21452 ||| SWAPPING to +6 heavy broad axe.
 21453 | D:14     | 21453 ||| SWAPPING to +9 broad axe "Kosum" {antimagic,
                  | rC+}.
 21454 | D:14     | 21454 ||| SWAPPING to +6 heavy broad axe.
 21455 | D:14     | 21455 ||| SWAPPING to +9 broad axe "Kosum" {antimagic,
                  | rC+}.
 21456 | D:14     | 21456 ||| SWAPPING to +6 heavy broad axe.
 21457 | D:14     | 21457 ||| SWAPPING to +9 broad axe "Kosum" {antimagic,
                  | rC+}.
 21458 | D:14     | 21458 ||| SWAPPING to +6 heavy broad axe.
 21459 | D:14     | 21459 ||| SWAPPING to +9 broad axe "Kosum" {antimagic,
                  | rC+}.
 21460 | D:14     | 21460 ||| SWAPPING to +6 heavy broad axe.
 21461 | D:14     | 21461 ||| SWAPPING to +9 broad axe "Kosum" {antimagic,
                  | rC+}.
 21462 | D:14     | 21462 ||| SWAPPING to +6 heavy broad axe.
 21463 | D:14     | 21463 ||| SWAPPING to +9 broad axe "Kosum" {antimagic,
                  | rC+}.
 21464 | D:14     | 21464 ||| SWAPPING to +6 heavy broad axe.
 21465 | D:14     | 21465 ||| SWAPPING to +9 broad axe "Kosum" {antimagic,
                  | rC+}.
 21466 | D:14     | 21466 ||| SWAPPING to +6 heavy broad axe.
 21467 | D:14     | 21467 ||| SWAPPING to +9 broad axe "Kosum" {antimagic,
                  | rC+}.
 21468 | D:14     | 21468 ||| SWAPPING to +6 heavy broad axe.
 21469 | D:14     | 21469 ||| SWAPPING to +9 broad axe "Kosum" {antimagic,
                  | rC+}.
 21470 | D:14     | 21470 ||| SWAPPING to +6 heavy broad axe.
 21471 | D:14     | 21471 ||| SWAPPING to +9 broad axe "Kosum" {antimagic,
                  | rC+}.
 21472 | D:14     | 21472 ||| SWAPPING to +6 heavy broad axe.
 21473 | D:14     | 21473 ||| SWAPPING to +9 broad axe "Kosum" {antimagic,
                  | rC+}.
 21474 | D:14     | 21474 ||| SWAPPING to +6 heavy broad axe.
 21475 | D:14     | 21475 ||| SWAPPING to +9 broad axe "Kosum" {antimagic,
                  | rC+}.
 21476 | D:14     | 21476 ||| SWAPPING to +6 heavy broad axe.
 21477 | D:14     | 21477 ||| SWAPPING to +9 broad axe "Kosum" {antimagic,
                  | rC+}.
 21478 | D:14     | 21478 ||| SWAPPING to +6 heavy broad axe.
 21479 | D:14     | 21479 ||| SWAPPING to +9 broad axe "Kosum" {antimagic,
                  | rC+}.
 21480 | D:14     | 21480 ||| SWAPPING to +6 heavy broad axe.
 21481 | D:14     | 21481 ||| SWAPPING to +9 broad axe "Kosum" {antimagic,
                  | rC+}.
 21482 | D:14     | 21482 ||| SWAPPING to +6 heavy broad axe.
 21483 | D:14     | 21483 ||| SWAPPING to +9 broad axe "Kosum" {antimagic,
                  | rC+}.
 21484 | D:14     | 21484 ||| SWAPPING to +6 heavy broad axe.
 21485 | D:14     | 21485 ||| SWAPPING to +9 broad axe "Kosum" {antimagic,
                  | rC+}.
 21486 | D:14     | 21486 ||| SWAPPING to +6 heavy broad axe.
 21487 | D:14     | 21487 ||| SWAPPING to +9 broad axe "Kosum" {antimagic,
                  | rC+}.
 21488 | D:14     | 21488 ||| SWAPPING to +6 heavy broad axe.
 21489 | D:14     | 21489 ||| SWAPPING to +9 broad axe "Kosum" {antimagic,
                  | rC+}.
 21490 | D:14     | 21490 ||| SWAPPING to +6 heavy broad axe.
 21491 | D:14     | 21491 ||| SWAPPING to +9 broad axe "Kosum" {antimagic,
                  | rC+}.
 21492 | D:14     | 21492 ||| SWAPPING to +6 heavy broad axe.
 21493 | D:14     | 21493 ||| SWAPPING to +9 broad axe "Kosum" {antimagic,
                  | rC+}.
 21494 | D:14     | 21494 ||| SWAPPING to +6 heavy broad axe.
 21495 | D:14     | 21495 ||| SWAPPING to +9 broad axe "Kosum" {antimagic,
                  | rC+}.
 21496 | D:14     | 21496 ||| SWAPPING to +6 heavy broad axe.
 21497 | D:14     | 21497 ||| SWAPPING to +9 broad axe "Kosum" {antimagic,
                  | rC+}.
 21498 | D:14     | 21498 ||| SWAPPING to +6 heavy broad axe.
 21499 | D:14     | 21499 ||| SWAPPING to +9 broad axe "Kosum" {antimagic,
                  | rC+}.
 21500 | D:14     | 21500 ||| SWAPPING to +6 heavy broad axe.
 21501 | D:14     | 21501 ||| SWAPPING to +9 broad axe "Kosum" {antimagic,
                  | rC+}.
 21502 | D:14     | 21502 ||| SWAPPING to +6 heavy broad axe.
 21503 | D:14     | 21503 ||| SWAPPING to +9 broad axe "Kosum" {antimagic,
                  | rC+}.
 21504 | D:14     | 21504 ||| SWAPPING to +6 heavy broad axe.
 21505 | D:14     | 21505 ||| SWAPPING to +9 broad axe "Kosum" {antimagic,
                  | rC+}.
 21506 | D:14     | 21506 ||| SWAPPING to +6 heavy broad axe.
 21507 | D:14     | 21507 ||| SWAPPING to +9 broad axe "Kosum" {antimagic,
                  | rC+}.
 21508 | D:14     | 21508 ||| SWAPPING to +6 heavy broad axe.
 21509 | D:14     | 21509 ||| SWAPPING to +9 broad axe "Kosum" {antimagic,
                  | rC+}.
 21510 | D:14     | 21510 ||| SWAPPING to +6 heavy broad axe.
 21511 | D:14     | 21511 ||| SWAPPING to +9 broad axe "Kosum" {antimagic,
                  | rC+}.
 21512 | D:14     | 21512 ||| SWAPPING to +6 heavy broad axe.
 21513 | D:14     | 21513 ||| SWAPPING to +9 broad axe "Kosum" {antimagic,
                  | rC+}.
 21514 | D:14     | 21514 ||| SWAPPING to +6 heavy broad axe.
 21515 | D:14     | 21515 ||| SWAPPING to +9 broad axe "Kosum" {antimagic,
                  | rC+}.
 21516 | D:14     | 21516 ||| SWAPPING to +6 heavy broad axe.
 21517 | D:14     | 21517 ||| SWAPPING to +9 broad axe "Kosum" {antimagic,
                  | rC+}.
 21518 | D:14     | 21518 ||| SWAPPING to +6 heavy broad axe.
 21519 | D:14     | 21519 ||| SWAPPING to +9 broad axe "Kosum" {antimagic,
                  | rC+}.
 21520 | D:14     | 21520 ||| SWAPPING to +6 heavy broad axe.
 21521 | D:14     | 21521 ||| SWAPPING to +9 broad axe "Kosum" {antimagic,
                  | rC+}.
 21522 | D:14     | 21522 ||| SWAPPING to +6 heavy broad axe.
 21523 | D:14     | 21523 ||| SWAPPING to +9 broad axe "Kosum" {antimagic,
                  | rC+}.
 21524 | D:14     | 21524 ||| SWAPPING to +6 heavy broad axe.
 21525 | D:14     | 21525 ||| SWAPPING to +9 broad axe "Kosum" {antimagic,
                  | rC+}.
 21526 | D:14     | 21526 ||| SWAPPING to +6 heavy broad axe.
 21527 | D:14     | 21527 ||| SWAPPING to +9 broad axe "Kosum" {antimagic,
                  | rC+}.
 21528 | D:14     | 21528 ||| SWAPPING to +6 heavy broad axe.
 21529 | D:14     | 21529 ||| SWAPPING to +9 broad axe "Kosum" {antimagic,
                  | rC+}.
 21530 | D:14     | 21530 ||| SWAPPING to +6 heavy broad axe.
 21531 | D:14     | 21531 ||| SWAPPING to +9 broad axe "Kosum" {antimagic,
                  | rC+}.
 21532 | D:14     | 21532 ||| SWAPPING to +6 heavy broad axe.
 21533 | D:14     | 21533 ||| SWAPPING to +9 broad axe "Kosum" {antimagic,
                  | rC+}.
 21534 | D:14     | 21534 ||| SWAPPING to +6 heavy broad axe.
 21535 | D:14     | 21535 ||| SWAPPING to +9 broad axe "Kosum" {antimagic,
                  | rC+}.
 21536 | D:14     | 21536 ||| SWAPPING to +6 heavy broad axe.
 21537 | D:14     | 21537 ||| SWAPPING to +9 broad axe "Kosum" {antimagic,
                  | rC+}.
 21538 | D:14     | 21538 ||| SWAPPING to +6 heavy broad axe.
 21539 | D:14     | 21539 ||| SWAPPING to +9 broad axe "Kosum" {antimagic,
                  | rC+}.
 21540 | D:14     | 21540 ||| SWAPPING to +6 heavy broad axe.
 21541 | D:14     | 21541 ||| SWAPPING to +9 broad axe "Kosum" {antimagic,
                  | rC+}.
 21542 | D:14     | 21542 ||| SWAPPING to +6 heavy broad axe.
 21543 | D:14     | 21543 ||| SWAPPING to +9 broad axe "Kosum" {antimagic,
                  | rC+}.
 21544 | D:14     | 21544 ||| SWAPPING to +6 heavy broad axe.
 21545 | D:14     | 21545 ||| SWAPPING to +9 broad axe "Kosum" {antimagic,
                  | rC+}.
 21546 | D:14     | 21546 ||| SWAPPING to +6 heavy broad axe.
 21547 | D:14     | 21547 ||| SWAPPING to +9 broad axe "Kosum" {antimagic,
                  | rC+}.
 21548 | D:14     | 21548 ||| SWAPPING to +6 heavy broad axe.
 21549 | D:14     | 21549 ||| SWAPPING to +9 broad axe "Kosum" {antimagic,
                  | rC+}.
 21550 | D:14     | 21550 ||| SWAPPING to +6 heavy broad axe.
 21551 | D:14     | 21551 ||| SWAPPING to +9 broad axe "Kosum" {antimagic,
                  | rC+}.
 21552 | D:14     | 21552 ||| SWAPPING to +6 heavy broad axe.
 21553 | D:14     | 21553 ||| SWAPPING to +9 broad axe "Kosum" {antimagic,
                  | rC+}.
 21554 | D:14     | 21554 ||| SWAPPING to +6 heavy broad axe.
 21555 | D:14     | 21555 ||| SWAPPING to +9 broad axe "Kosum" {antimagic,
                  | rC+}.
 21556 | D:14     | 21556 ||| SWAPPING to +6 heavy broad axe.
 21557 | D:14     | 21557 ||| SWAPPING to +9 broad axe "Kosum" {antimagic,
                  | rC+}.
 21558 | D:14     | 21558 ||| SWAPPING to +6 heavy broad axe.
 21559 | D:14     | 21559 ||| SWAPPING to +9 broad axe "Kosum" {antimagic,
                  | rC+}.
 21560 | D:14     | 21560 ||| SWAPPING to +6 heavy broad axe.
 21561 | D:14     | 21561 ||| SWAPPING to +9 broad axe "Kosum" {antimagic,
                  | rC+}.
 21562 | D:14     | 21562 ||| SWAPPING to +6 heavy broad axe.
 21563 | D:14     | 21563 ||| SWAPPING to +9 broad axe "Kosum" {antimagic,
                  | rC+}.
 21564 | D:14     | 21564 ||| SWAPPING to +6 heavy broad axe.
 21565 | D:14     | 21565 ||| SWAPPING to +9 broad axe "Kosum" {antimagic,
                  | rC+}.
 21566 | D:14     | 21566 ||| SWAPPING to +6 heavy broad axe.
 21567 | D:14     | 21567 ||| SWAPPING to +9 broad axe "Kosum" {antimagic,
                  | rC+}.
 21568 | D:14     | 21568 ||| SWAPPING to +6 heavy broad axe.
 21569 | D:14     | 21569 ||| SWAPPING to +9 broad axe "Kosum" {antimagic,
                  | rC+}.
 21570 | D:14     | 21570 ||| SWAPPING to +6 heavy broad axe.
 21571 | D:14     | 21571 ||| SWAPPING to +9 broad axe "Kosum" {antimagic,
                  | rC+}.
 21572 | D:14     | 21572 ||| SWAPPING to +6 heavy broad axe.
 21573 | D:14     | 21573 ||| SWAPPING to +9 broad axe "Kosum" {antimagic,
                  | rC+}.
 21574 | D:14     | 21574 ||| SWAPPING to +6 heavy broad axe.
 21575 | D:14     | 21575 ||| SWAPPING to +9 broad axe "Kosum" {antimagic,
                  | rC+}.
 21576 | D:14     | 21576 ||| SWAPPING to +6 heavy broad axe.
 21577 | D:14     | 21577 ||| SWAPPING to +9 broad axe "Kosum" {antimagic,
                  | rC+}.
 21578 | D:14     | 21578 ||| SWAPPING to +6 heavy broad axe.
 21579 | D:14     | 21579 ||| SWAPPING to +9 broad axe "Kosum" {antimagic,
                  | rC+}.
 21580 | D:14     | 21580 ||| SWAPPING to +6 heavy broad axe.
 21581 | D:14     | 21581 ||| SWAPPING to +9 broad axe "Kosum" {antimagic,
                  | rC+}.
 21582 | D:14     | 21582 ||| SWAPPING to +6 heavy broad axe.
 21583 | D:14     | 21583 ||| SWAPPING to +9 broad axe "Kosum" {antimagic,
                  | rC+}.
 21584 | D:14     | 21584 ||| SWAPPING to +6 heavy broad axe.
 21585 | D:14     | 21585 ||| SWAPPING to +9 broad axe "Kosum" {antimagic,
                  | rC+}.
 21586 | D:14     | 21586 ||| SWAPPING to +6 heavy broad axe.
 21587 | D:14     | 21587 ||| SWAPPING to +9 broad axe "Kosum" {antimagic,
                  | rC+}.
 21588 | D:14     | 21588 ||| SWAPPING to +6 heavy broad axe.
 21589 | D:14     | 21589 ||| SWAPPING to +9 broad axe "Kosum" {antimagic,
                  | rC+}.
 21590 | D:14     | 21590 ||| SWAPPING to +6 heavy broad axe.
 21591 | D:14     | 21591 ||| SWAPPING to +9 broad axe "Kosum" {antimagic,
                  | rC+}.
 21592 | D:14     | 21592 ||| SWAPPING to +6 heavy broad axe.
 21593 | D:14     | 21593 ||| SWAPPING to +9 broad axe "Kosum" {antimagic,
                  | rC+}.
 21594 | D:14     | 21594 ||| SWAPPING to +6 heavy broad axe.
 21595 | D:14     | 21595 ||| SWAPPING to +9 broad axe "Kosum" {antimagic,
                  | rC+}.
 21596 | D:14     | 21596 ||| SWAPPING to +6 heavy broad axe.
 21597 | D:14     | 21597 ||| SWAPPING to +9 broad axe "Kosum" {antimagic,
                  | rC+}.
 21598 | D:14     | 21598 ||| SWAPPING to +6 heavy broad axe.
 21599 | D:14     | 21599 ||| SWAPPING to +9 broad axe "Kosum" {antimagic,
                  | rC+}.
 21600 | D:14     | 21600 ||| SWAPPING to +6 heavy broad axe.
 21601 | D:14     | 21601 ||| SWAPPING to +9 broad axe "Kosum" {antimagic,
                  | rC+}.
 21602 | D:14     | 21602 ||| SWAPPING to +6 heavy broad axe.
 21603 | D:14     | 21603 ||| SWAPPING to +9 broad axe "Kosum" {antimagic,
                  | rC+}.
 21604 | D:14     | 21604 ||| SWAPPING to +6 heavy broad axe.
 21605 | D:14     | 21605 ||| SWAPPING to +9 broad axe "Kosum" {antimagic,
                  | rC+}.
 21606 | D:14     | 21606 ||| SWAPPING to +6 heavy broad axe.
 21607 | D:14     | 21607 ||| SWAPPING to +9 broad axe "Kosum" {antimagic,
                  | rC+}.
 21608 | D:14     | 21608 ||| SWAPPING to +6 heavy broad axe.
 21609 | D:14     | 21609 ||| SWAPPING to +9 broad axe "Kosum" {antimagic,
                  | rC+}.
 21610 | D:14     | 21610 ||| SWAPPING to +6 heavy broad axe.
 21611 | D:14     | 21611 ||| SWAPPING to +9 broad axe "Kosum" {antimagic,
                  | rC+}.
 21612 | D:14     | 21612 ||| SWAPPING to +6 heavy broad axe.
 21613 | D:14     | 21613 ||| SWAPPING to +9 broad axe "Kosum" {antimagic,
                  | rC+}.
 21614 | D:14     | 21614 ||| SWAPPING to +6 heavy broad axe.
 21615 | D:14     | 21615 ||| SWAPPING to +9 broad axe "Kosum" {antimagic,
                  | rC+}.
 21616 | D:14     | 21616 ||| SWAPPING to +6 heavy broad axe.
 21617 | D:14     | 21617 ||| SWAPPING to +9 broad axe "Kosum" {antimagic,
                  | rC+}.
 21618 | D:14     | 21618 ||| SWAPPING to +6 heavy broad axe.
 21619 | D:14     | 21619 ||| SWAPPING to +9 broad axe "Kosum" {antimagic,
                  | rC+}.
 21620 | D:14     | 21620 ||| SWAPPING to +6 heavy broad axe.
 21621 | D:14     | 21621 ||| SWAPPING to +9 broad axe "Kosum" {antimagic,
                  | rC+}.
 21622 | D:14     | 21622 ||| SWAPPING to +6 heavy broad axe.
 21623 | D:14     | 21623 ||| SWAPPING to +9 broad axe "Kosum" {antimagic,
                  | rC+}.
 21624 | D:14     | 21624 ||| SWAPPING to +6 heavy broad axe.
 21625 | D:14     | 21625 ||| SWAPPING to +9 broad axe "Kosum" {antimagic,
                  | rC+}.
 21626 | D:14     | 21626 ||| SWAPPING to +6 heavy broad axe.
 21627 | D:14     | 21627 ||| SWAPPING to +9 broad axe "Kosum" {antimagic,
                  | rC+}.
 21628 | D:14     | 21628 ||| SWAPPING to +6 heavy broad axe.
 21629 | D:14     | 21629 ||| SWAPPING to +9 broad axe "Kosum" {antimagic,
                  | rC+}.
 21630 | D:14     | 21630 ||| SWAPPING to +6 heavy broad axe.
 21631 | D:14     | 21631 ||| SWAPPING to +9 broad axe "Kosum" {antimagic,
                  | rC+}.
 21632 | D:14     | 21632 ||| SWAPPING to +6 heavy broad axe.
 21633 | D:14     | 21633 ||| SWAPPING to +9 broad axe "Kosum" {antimagic,
                  | rC+}.
 21634 | D:14     | 21634 ||| SWAPPING to +6 heavy broad axe.
 21635 | D:14     | 21635 ||| SWAPPING to +9 broad axe "Kosum" {antimagic,
                  | rC+}.
 21636 | D:14     | 21636 ||| SWAPPING to +6 heavy broad axe.
 21637 | D:14     | 21637 ||| SWAPPING to +9 broad axe "Kosum" {antimagic,
                  | rC+}.
 21638 | D:14     | 21638 ||| SWAPPING to +6 heavy broad axe.
 21639 | D:14     | 21639 ||| SWAPPING to +9 broad axe "Kosum" {antimagic,
                  | rC+}.
 21640 | D:14     | 21640 ||| SWAPPING to +6 heavy broad axe.
 21641 | D:14     | 21641 ||| SWAPPING to +9 broad axe "Kosum" {antimagic,
                  | rC+}.
 21642 | D:14     | 21642 ||| SWAPPING to +6 heavy broad axe.
 21643 | D:14     | 21643 ||| SWAPPING to +9 broad axe "Kosum" {antimagic,
                  | rC+}.
 21644 | D:14     | 21644 ||| SWAPPING to +6 heavy broad axe.
 21645 | D:14     | 21645 ||| SWAPPING to +9 broad axe "Kosum" {antimagic,
                  | rC+}.
 21646 | D:14     | 21646 ||| SWAPPING to +6 heavy broad axe.
 21647 | D:14     | 21647 ||| SWAPPING to +9 broad axe "Kosum" {antimagic,
                  | rC+}.
 21648 | D:14     | 21648 ||| SWAPPING to +6 heavy broad axe.
 21649 | D:14     | 21649 ||| SWAPPING to +9 broad axe "Kosum" {antimagic,
                  | rC+}.
 21650 | D:14     | 21650 ||| SWAPPING to +6 heavy broad axe.
 21651 | D:14     | 21651 ||| SWAPPING to +9 broad axe "Kosum" {antimagic,
                  | rC+}.
 21652 | D:14     | 21652 ||| SWAPPING to +6 heavy broad axe.
 21653 | D:14     | 21653 ||| SWAPPING to +9 broad axe "Kosum" {antimagic,
                  | rC+}.
 21654 | D:14     | 21654 ||| SWAPPING to +6 heavy broad axe.
 21655 | D:14     | 21655 ||| SWAPPING to +9 broad axe "Kosum" {antimagic,
                  | rC+}.
 21656 | D:14     | 21656 ||| SWAPPING to +6 heavy broad axe.
 21657 | D:14     | 21657 ||| SWAPPING to +9 broad axe "Kosum" {antimagic,
                  | rC+}.
 21658 | D:14     | 21658 ||| SWAPPING to +6 heavy broad axe.
 21659 | D:14     | 21659 ||| SWAPPING to +9 broad axe "Kosum" {antimagic,
                  | rC+}.
 21660 | D:14     | 21660 ||| SWAPPING to +6 heavy broad axe.
 21661 | D:14     | 21661 ||| SWAPPING to +9 broad axe "Kosum" {antimagic,
                  | rC+}.
 21662 | D:14     | 21662 ||| SWAPPING to +6 heavy broad axe.
 21663 | D:14     | 21663 ||| SWAPPING to +9 broad axe "Kosum" {antimagic,
                  | rC+}.
 21664 | D:14     | 21664 ||| SWAPPING to +6 heavy broad axe.
 21665 | D:14     | 21665 ||| SWAPPING to +9 broad axe "Kosum" {antimagic,
                  | rC+}.
 21666 | D:14     | 21666 ||| SWAPPING to +6 heavy broad axe.
 21667 | D:14     | 21667 ||| SWAPPING to +9 broad axe "Kosum" {antimagic,
                  | rC+}.
 21668 | D:14     | 21668 ||| SWAPPING to +6 heavy broad axe.
 21669 | D:14     | 21669 ||| SWAPPING to +9 broad axe "Kosum" {antimagic,
                  | rC+}.
 21670 | D:14     | 21670 ||| SWAPPING to +6 heavy broad axe.
 21671 | D:14     | 21671 ||| SWAPPING to +9 broad axe "Kosum" {antimagic,
                  | rC+}.
 21672 | D:14     | 21672 ||| SWAPPING to +6 heavy broad axe.
 21673 | D:14     | 21673 ||| SWAPPING to +9 broad axe "Kosum" {antimagic,
                  | rC+}.
 21674 | D:14     | 21674 ||| SWAPPING to +6 heavy broad axe.
 21675 | D:14     | 21675 ||| SWAPPING to +9 broad axe "Kosum" {antimagic,
                  | rC+}.
 21676 | D:14     | 21676 ||| SWAPPING to +6 heavy broad axe.
 21677 | D:14     | 21677 ||| SWAPPING to +9 broad axe "Kosum" {antimagic,
                  | rC+}.
 21678 | D:14     | 21678 ||| SWAPPING to +6 heavy broad axe.
 21679 | D:14     | 21679 ||| SWAPPING to +9 broad axe "Kosum" {antimagic,
                  | rC+}.
 21680 | D:14     | 21680 ||| SWAPPING to +6 heavy broad axe.
 21681 | D:14     | 21681 ||| SWAPPING to +9 broad axe "Kosum" {antimagic,
                  | rC+}.
 21682 | D:14     | 21682 ||| SWAPPING to +6 heavy broad axe.
 21683 | D:14     | 21683 ||| SWAPPING to +9 broad axe "Kosum" {antimagic,
                  | rC+}.
 21684 | D:14     | 21684 ||| SWAPPING to +6 heavy broad axe.
 21685 | D:14     | 21685 ||| SWAPPING to +9 broad axe "Kosum" {antimagic,
                  | rC+}.
 21686 | D:14     | 21686 ||| SWAPPING to +6 heavy broad axe.
 21687 | D:14     | 21687 ||| SWAPPING to +9 broad axe "Kosum" {antimagic,
                  | rC+}.
 21688 | D:14     | 21688 ||| SWAPPING to +6 heavy broad axe.
 21689 | D:14     | 21689 ||| SWAPPING to +9 broad axe "Kosum" {antimagic,
                  | rC+}.
 21690 | D:14     | 21690 ||| SWAPPING to +6 heavy broad axe.
 21691 | D:14     | 21691 ||| SWAPPING to +9 broad axe "Kosum" {antimagic,
                  | rC+}.
 21692 | D:14     | 21692 ||| SWAPPING to +6 heavy broad axe.
 21693 | D:14     | 21693 ||| SWAPPING to +9 broad axe "Kosum" {antimagic,
                  | rC+}.
 21694 | D:14     | 21694 ||| SWAPPING to +6 heavy broad axe.
 21695 | D:14     | 21695 ||| SWAPPING to +9 broad axe "Kosum" {antimagic,
                  | rC+}.
 21696 | D:14     | 21696 ||| SWAPPING to +6 heavy broad axe.
 21697 | D:14     | 21697 ||| SWAPPING to +9 broad axe "Kosum" {antimagic,
                  | rC+}.
 21698 | D:14     | 21698 ||| SWAPPING to +6 heavy broad axe.
 21699 | D:14     | 21699 ||| SWAPPING to +9 broad axe "Kosum" {antimagic,
                  | rC+}.
 21700 | D:14     | 21700 ||| SWAPPING to +6 heavy broad axe.
 21701 | D:14     | 21701 ||| SWAPPING to +9 broad axe "Kosum" {antimagic,
                  | rC+}.
 21702 | D:14     | 21702 ||| SWAPPING to +6 heavy broad axe.
 21703 | D:14     | 21703 ||| SWAPPING to +9 broad axe "Kosum" {antimagic,
                  | rC+}.
 21704 | D:14     | 21704 ||| SWAPPING to +6 heavy broad axe.
 21705 | D:14     | 21705 ||| SWAPPING to +9 broad axe "Kosum" {antimagic,
                  | rC+}.
 21706 | D:14     | 21706 ||| SWAPPING to +6 heavy broad axe.
 21707 | D:14     | 21707 ||| SWAPPING to +9 broad axe "Kosum" {antimagic,
                  | rC+}.
 21708 | D:14     | 21708 ||| SWAPPING to +6 heavy broad axe.
 21709 | D:14     | 21709 ||| SWAPPING to +9 broad axe "Kosum" {antimagic,
                  | rC+}.
 21710 | D:14     | 21710 ||| SWAPPING to +6 heavy broad axe.
 21711 | D:14     | 21711 ||| SWAPPING to +9 broad axe "Kosum" {antimagic,
                  | rC+}.
 21712 | D:14     | 21712 ||| SWAPPING to +6 heavy broad axe.
 21713 | D:14     | 21713 ||| SWAPPING to +9 broad axe "Kosum" {antimagic,
                  | rC+}.
 21714 | D:14     | 21714 ||| SWAPPING to +6 heavy broad axe.
 21715 | D:14     | 21715 ||| SWAPPING to +9 broad axe "Kosum" {antimagic,
                  | rC+}.
 21716 | D:14     | 21716 ||| SWAPPING to +6 heavy broad axe.
 21717 | D:14     | 21717 ||| SWAPPING to +9 broad axe "Kosum" {antimagic,
                  | rC+}.
 21718 | D:14     | 21718 ||| SWAPPING to +6 heavy broad axe.
 21719 | D:14     | 21719 ||| SWAPPING to +9 broad axe "Kosum" {antimagic,
                  | rC+}.
 21720 | D:14     | 21720 ||| SWAPPING to +6 heavy broad axe.
 21721 | D:14     | 21721 ||| SWAPPING to +9 broad axe "Kosum" {antimagic,
                  | rC+}.
 21722 | D:14     | 21722 ||| SWAPPING to +6 heavy broad axe.
 21723 | D:14     | 21723 ||| SWAPPING to +9 broad axe "Kosum" {antimagic,
                  | rC+}.
 21724 | D:14     | 21724 ||| SWAPPING to +6 heavy broad axe.
 21725 | D:14     | 21725 ||| SWAPPING to +9 broad axe "Kosum" {antimagic,
                  | rC+}.
 21726 | D:14     | 21726 ||| SWAPPING to +6 heavy broad axe.
 21727 | D:14     | 21727 ||| SWAPPING to +9 broad axe "Kosum" {antimagic,
                  | rC+}.
 21728 | D:14     | 21728 ||| SWAPPING to +6 heavy broad axe.
 21729 | D:14     | 21729 ||| SWAPPING to +9 broad axe "Kosum" {antimagic,
                  | rC+}.
 21730 | D:14     | 21730 ||| SWAPPING to +6 heavy broad axe.
 21731 | D:14     | 21731 ||| SWAPPING to +9 broad axe "Kosum" {antimagic,
                  | rC+}.
 21732 | D:14     | 21732 ||| SWAPPING to +6 heavy broad axe.
 21733 | D:14     | 21733 ||| SWAPPING to +9 broad axe "Kosum" {antimagic,
                  | rC+}.
 21734 | D:14     | 21734 ||| SWAPPING to +6 heavy broad axe.
 21735 | D:14     | 21735 ||| SWAPPING to +9 broad axe "Kosum" {antimagic,
                  | rC+}.
 21736 | D:14     | 21736 ||| SWAPPING to +6 heavy broad axe.
 21737 | D:14     | 21737 ||| SWAPPING to +9 broad axe "Kosum" {antimagic,
                  | rC+}.
 21738 | D:14     | 21738 ||| SWAPPING to +6 heavy broad axe.
 21739 | D:14     | 21739 ||| SWAPPING to +9 broad axe "Kosum" {antimagic,
                  | rC+}.
 21740 | D:14     | 21740 ||| SWAPPING to +6 heavy broad axe.
 21741 | D:14     | 21741 ||| SWAPPING to +9 broad axe "Kosum" {antimagic,
                  | rC+}.
 21742 | D:14     | 21742 ||| SWAPPING to +6 heavy broad axe.
 21743 | D:14     | 21743 ||| SWAPPING to +9 broad axe "Kosum" {antimagic,
                  | rC+}.
 21744 | D:14     | 21744 ||| SWAPPING to +6 heavy broad axe.
 21745 | D:14     | 21745 ||| SWAPPING to +9 broad axe "Kosum" {antimagic,
                  | rC+}.
 21746 | D:14     | 21746 ||| SWAPPING to +6 heavy broad axe.
 21747 | D:14     | 21747 ||| SWAPPING to +9 broad axe "Kosum" {antimagic,
                  | rC+}.
 21748 | D:14     | 21748 ||| SWAPPING to +6 heavy broad axe.
 21749 | D:14     | 21749 ||| SWAPPING to +9 broad axe "Kosum" {antimagic,
                  | rC+}.
 21750 | D:14     | 21750 ||| SWAPPING to +6 heavy broad axe.
 21751 | D:14     | 21751 ||| SWAPPING to +9 broad axe "Kosum" {antimagic,
                  | rC+}.
 21752 | D:14     | 21752 ||| SWAPPING to +6 heavy broad axe.
 21753 | D:14     | 21753 ||| SWAPPING to +9 broad axe "Kosum" {antimagic,
                  | rC+}.
 21754 | D:14     | 21754 ||| SWAPPING to +6 heavy broad axe.
 21755 | D:14     | 21755 ||| SWAPPING to +9 broad axe "Kosum" {antimagic,
                  | rC+}.
 21756 | D:14     | 21756 ||| SWAPPING to +6 heavy broad axe.
 21757 | D:14     | 21757 ||| SWAPPING to +9 broad axe "Kosum" {antimagic,
                  | rC+}.
 21758 | D:14     | 21758 ||| SWAPPING to +6 heavy broad axe.
 21759 | D:14     | 21759 ||| SWAPPING to +9 broad axe "Kosum" {antimagic,
                  | rC+}.
 21760 | D:14     | 21760 ||| SWAPPING to +6 heavy broad axe.
 21761 | D:14     | 21761 ||| SWAPPING to +9 broad axe "Kosum" {antimagic,
                  | rC+}.
 21762 | D:14     | 21762 ||| SWAPPING to +6 heavy broad axe.
 21763 | D:14     | 21763 ||| SWAPPING to +9 broad axe "Kosum" {antimagic,
                  | rC+}.
 21764 | D:14     | 21764 ||| SWAPPING to +6 heavy broad axe.
 21765 | D:14     | 21765 ||| SWAPPING to +9 broad axe "Kosum" {antimagic,
                  | rC+}.
 21766 | D:14     | 21766 ||| SWAPPING to +6 heavy broad axe.
 21767 | D:14     | 21767 ||| SWAPPING to +9 broad axe "Kosum" {antimagic,
                  | rC+}.
 21768 | D:14     | 21768 ||| SWAPPING to +6 heavy broad axe.
 21769 | D:14     | 21769 ||| SWAPPING to +9 broad axe "Kosum" {antimagic,
                  | rC+}.
 21770 | D:14     | 21770 ||| SWAPPING to +6 heavy broad axe.
 21771 | D:14     | 21771 ||| SWAPPING to +9 broad axe "Kosum" {antimagic,
                  | rC+}.
 21772 | D:14     | 21772 ||| SWAPPING to +6 heavy broad axe.
 21773 | D:14     | 21773 ||| SWAPPING to +9 broad axe "Kosum" {antimagic,
                  | rC+}.
 21774 | D:14     | 21774 ||| SWAPPING to +6 heavy broad axe.
 21775 | D:14     | 21775 ||| SWAPPING to +9 broad axe "Kosum" {antimagic,
                  | rC+}.
 21776 | D:14     | 21776 ||| SWAPPING to +6 heavy broad axe.
 21777 | D:14     | 21777 ||| SWAPPING to +9 broad axe "Kosum" {antimagic,
                  | rC+}.
 21778 | D:14     | 21778 ||| SWAPPING to +6 heavy broad axe.
 21779 | D:14     | 21779 ||| SWAPPING to +9 broad axe "Kosum" {antimagic,
                  | rC+}.
 21780 | D:14     | 21780 ||| SWAPPING to +6 heavy broad axe.
 21781 | D:14     | 21781 ||| SWAPPING to +9 broad axe "Kosum" {antimagic,
                  | rC+}.
 21782 | D:14     | 21782 ||| SWAPPING to +6 heavy broad axe.
 21783 | D:14     | 21783 ||| SWAPPING to +9 broad axe "Kosum" {antimagic,
                  | rC+}.
 21784 | D:14     | 21784 ||| SWAPPING to +6 heavy broad axe.
 21785 | D:14     | 21785 ||| SWAPPING to +9 broad axe "Kosum" {antimagic,
                  | rC+}.
 21786 | D:14     | 21786 ||| SWAPPING to +6 heavy broad axe.
 21787 | D:14     | 21787 ||| SWAPPING to +9 broad axe "Kosum" {antimagic,
                  | rC+}.
 21788 | D:14     | 21788 ||| SWAPPING to +6 heavy broad axe.
 21789 | D:14     | 21789 ||| SWAPPING to +9 broad axe "Kosum" {antimagic,
                  | rC+}.
 21790 | D:14     | 21790 ||| SWAPPING to +6 heavy broad axe.
 21791 | D:14     | 21791 ||| SWAPPING to +9 broad axe "Kosum" {antimagic,
                  | rC+}.
 21792 | D:14     | 21792 ||| SWAPPING to +6 heavy broad axe.
 21793 | D:14     | 21793 ||| SWAPPING to +9 broad axe "Kosum" {antimagic,
                  | rC+}.
 21794 | D:14     | 21794 ||| SWAPPING to +6 heavy broad axe.
 21795 | D:14     | 21795 ||| SWAPPING to +9 broad axe "Kosum" {antimagic,
                  | rC+}.
 21796 | D:14     | 21796 ||| SWAPPING to +6 heavy broad axe.
 21797 | D:14     | 21797 ||| SWAPPING to +9 broad axe "Kosum" {antimagic,
                  | rC+}.
 21798 | D:14     | 21798 ||| SWAPPING to +6 heavy broad axe.
 21799 | D:14     | 21799 ||| SWAPPING to +9 broad axe "Kosum" {antimagic,
                  | rC+}.
 21800 | D:14     | 21800 ||| SWAPPING to +6 heavy broad axe.
 21801 | D:14     | 21801 ||| SWAPPING to +9 broad axe "Kosum" {antimagic,
                  | rC+}.
 21802 | D:14     | 21802 ||| SWAPPING to +6 heavy broad axe.
 21803 | D:14     | 21803 ||| SWAPPING to +9 broad axe "Kosum" {antimagic,
                  | rC+}.
 21804 | D:14     | 21804 ||| SWAPPING to +6 heavy broad axe.
 21805 | D:14     | 21805 ||| SWAPPING to +9 broad axe "Kosum" {antimagic,
                  | rC+}.
 21806 | D:14     | 21806 ||| SWAPPING to +6 heavy broad axe.
 21807 | D:14     | 21807 ||| SWAPPING to +9 broad axe "Kosum" {antimagic,
                  | rC+}.
 21808 | D:14     | 21808 ||| SWAPPING to +6 heavy broad axe.
 21809 | D:14     | 21809 ||| SWAPPING to +9 broad axe "Kosum" {antimagic,
                  | rC+}.
 21810 | D:14     | 21810 ||| SWAPPING to +6 heavy broad axe.
 21811 | D:14     | 21811 ||| SWAPPING to +9 broad axe "Kosum" {antimagic,
                  | rC+}.
 21812 | D:14     | 21812 ||| SWAPPING to +6 heavy broad axe.
 21813 | D:14     | 21813 ||| SWAPPING to +9 broad axe "Kosum" {antimagic,
                  | rC+}.
 21814 | D:14     | 21814 ||| SWAPPING to +6 heavy broad axe.
 21815 | D:14     | 21815 ||| SWAPPING to +9 broad axe "Kosum" {antimagic,
                  | rC+}.
 21816 | D:14     | 21816 ||| SWAPPING to +6 heavy broad axe.
 21817 | D:14     | 21817 ||| SWAPPING to +9 broad axe "Kosum" {antimagic,
                  | rC+}.
 21818 | D:14     | 21818 ||| SWAPPING to +6 heavy broad axe.
 21819 | D:14     | 21819 ||| SWAPPING to +9 broad axe "Kosum" {antimagic,
                  | rC+}.
 21820 | D:14     | 21820 ||| SWAPPING to +6 heavy broad axe.
 21821 | D:14     | 21821 ||| SWAPPING to +9 broad axe "Kosum" {antimagic,
                  | rC+}.
 21822 | D:14     | 21822 ||| SWAPPING to +6 heavy broad axe.
 21823 | D:14     | 21823 ||| SWAPPING to +9 broad axe "Kosum" {antimagic,
                  | rC+}.
 21824 | D:14     | 21824 ||| SWAPPING to +6 heavy broad axe.
 21825 | D:14     | 21825 ||| SWAPPING to +9 broad axe "Kosum" {antimagic,
                  | rC+}.
 21826 | D:14     | 21826 ||| SWAPPING to +6 heavy broad axe.
 21827 | D:14     | 21827 ||| SWAPPING to +9 broad axe "Kosum" {antimagic,
                  | rC+}.
 21828 | D:14     | 21828 ||| SWAPPING to +6 heavy broad axe.
 21829 | D:14     | 21829 ||| SWAPPING to +9 broad axe "Kosum" {antimagic,
                  | rC+}.
 21830 | D:14     | 21830 ||| SWAPPING to +6 heavy broad axe.
 21831 | D:14     | 21831 ||| SWAPPING to +9 broad axe "Kosum" {antimagic,
                  | rC+}.
 21832 | D:14     | 21832 ||| SWAPPING to +6 heavy broad axe.
 21833 | D:14     | 21833 ||| SWAPPING to +9 broad axe "Kosum" {antimagic,
                  | rC+}.
 21834 | D:14     | 21834 ||| SWAPPING to +6 heavy broad axe.
 21835 | D:14     | 21835 ||| SWAPPING to +9 broad axe "Kosum" {antimagic,
                  | rC+}.
 21836 | D:14     | 21836 ||| SWAPPING to +6 heavy broad axe.
 21837 | D:14     | 21837 ||| SWAPPING to +9 broad axe "Kosum" {antimagic,
                  | rC+}.
 21838 | D:14     | 21838 ||| SWAPPING to +6 heavy broad axe.
 21839 | D:14     | 21839 ||| SWAPPING to +9 broad axe "Kosum" {antimagic,
                  | rC+}.
 21840 | D:14     | 21840 ||| SWAPPING to +6 heavy broad axe.
 21841 | D:14     | 21841 ||| SWAPPING to +9 broad axe "Kosum" {antimagic,
                  | rC+}.
 21842 | D:14     | 21842 ||| SWAPPING to +6 heavy broad axe.
 21843 | D:14     | 21843 ||| SWAPPING to +9 broad axe "Kosum" {antimagic,
                  | rC+}.
 21844 | D:14     | 21844 ||| SWAPPING to +6 heavy broad axe.
 21845 | D:14     | 21845 ||| SWAPPING to +9 broad axe "Kosum" {antimagic,
                  | rC+}.
 21846 | D:14     | 21846 ||| SWAPPING to +6 heavy broad axe.
 21847 | D:14     | 21847 ||| SWAPPING to +9 broad axe "Kosum" {antimagic,
                  | rC+}.
 21848 | D:14     | 21848 ||| SWAPPING to +6 heavy broad axe.
 21849 | D:14     | 21849 ||| SWAPPING to +9 broad axe "Kosum" {antimagic,
                  | rC+}.
 21850 | D:14     | 21850 ||| SWAPPING to +6 heavy broad axe.
 21851 | D:14     | 21851 ||| SWAPPING to +9 broad axe "Kosum" {antimagic,
                  | rC+}.
 21852 | D:14     | 21852 ||| SWAPPING to +6 heavy broad axe.
 21853 | D:14     | 21853 ||| SWAPPING to +9 broad axe "Kosum" {antimagic,
                  | rC+}.
 21854 | D:14     | 21854 ||| SWAPPING to +6 heavy broad axe.
 21855 | D:14     | 21855 ||| SWAPPING to +9 broad axe "Kosum" {antimagic,
                  | rC+}.
 21856 | D:14     | 21856 ||| SWAPPING to +6 heavy broad axe.
 21857 | D:14     | 21857 ||| SWAPPING to +9 broad axe "Kosum" {antimagic,
                  | rC+}.
 21858 | D:14     | 21858 ||| SWAPPING to +6 heavy broad axe.
 21859 | D:14     | 21859 ||| SWAPPING to +9 broad axe "Kosum" {antimagic,
                  | rC+}.
 21860 | D:14     | 21860 ||| SWAPPING to +6 heavy broad axe.
 21861 | D:14     | 21861 ||| SWAPPING to +9 broad axe "Kosum" {antimagic,
                  | rC+}.
 21862 | D:14     | 21862 ||| SWAPPING to +6 heavy broad axe.
 21863 | D:14     | 21863 ||| SWAPPING to +9 broad axe "Kosum" {antimagic,
                  | rC+}.
 21864 | D:14     | 21864 ||| SWAPPING to +6 heavy broad axe.
 21865 | D:14     | 21865 ||| SWAPPING to +9 broad axe "Kosum" {antimagic,
                  | rC+}.
 21866 | D:14     | 21866 ||| SWAPPING to +6 heavy broad axe.
 21867 | D:14     | 21867 ||| SWAPPING to +9 broad axe "Kosum" {antimagic,
                  | rC+}.
 21868 | D:14     | 21868 ||| SWAPPING to +6 heavy broad axe.
 21869 | D:14     | 21869 ||| SWAPPING to +9 broad axe "Kosum" {antimagic,
                  | rC+}.
 21870 | D:14     | 21870 ||| SWAPPING to +6 heavy broad axe.
 21871 | D:14     | 21871 ||| SWAPPING to +9 broad axe "Kosum" {antimagic,
                  | rC+}.
 21872 | D:14     | 21872 ||| SWAPPING to +6 heavy broad axe.
 21873 | D:14     | 21873 ||| SWAPPING to +9 broad axe "Kosum" {antimagic,
                  | rC+}.
 21874 | D:14     | 21874 ||| SWAPPING to +6 heavy broad axe.
 21875 | D:14     | 21875 ||| SWAPPING to +9 broad axe "Kosum" {antimagic,
                  | rC+}.
 21876 | D:14     | 21876 ||| SWAPPING to +6 heavy broad axe.
 21877 | D:14     | 21877 ||| SWAPPING to +9 broad axe "Kosum" {antimagic,
                  | rC+}.
 21878 | D:14     | 21878 ||| SWAPPING to +6 heavy broad axe.
 21879 | D:14     | 21879 ||| SWAPPING to +9 broad axe "Kosum" {antimagic,
                  | rC+}.
 21880 | D:14     | 21880 ||| SWAPPING to +6 heavy broad axe.
 21881 | D:14     | 21881 ||| SWAPPING to +9 broad axe "Kosum" {antimagic,
                  | rC+}.
 21882 | D:14     | 21882 ||| SWAPPING to +6 heavy broad axe.
 21883 | D:14     | 21883 ||| SWAPPING to +9 broad axe "Kosum" {antimagic,
                  | rC+}.
 21884 | D:14     | 21884 ||| SWAPPING to +6 heavy broad axe.
 21885 | D:14     | 21885 ||| SWAPPING to +9 broad axe "Kosum" {antimagic,
                  | rC+}.
 21886 | D:14     | 21886 ||| SWAPPING to +6 heavy broad axe.
 21887 | D:14     | 21887 ||| SWAPPING to +9 broad axe "Kosum" {antimagic,
                  | rC+}.
 21888 | D:14     | 21888 ||| SWAPPING to +6 heavy broad axe.
 21889 | D:14     | 21889 ||| SWAPPING to +9 broad axe "Kosum" {antimagic,
                  | rC+}.
 21890 | D:14     | 21890 ||| SWAPPING to +6 heavy broad axe.
 21891 | D:14     | 21891 ||| SWAPPING to +9 broad axe "Kosum" {antimagic,
                  | rC+}.
 21892 | D:14     | 21892 ||| SWAPPING to +6 heavy broad axe.
 21893 | D:14     | 21893 ||| SWAPPING to +9 broad axe "Kosum" {antimagic,
                  | rC+}.
 21894 | D:14     | 21894 ||| SWAPPING to +6 heavy broad axe.
 21895 | D:14     | 21895 ||| SWAPPING to +9 broad axe "Kosum" {antimagic,
                  | rC+}.
 21896 | D:14     | 21896 ||| SWAPPING to +6 heavy broad axe.
 21897 | D:14     | 21897 ||| SWAPPING to +9 broad axe "Kosum" {antimagic,
                  | rC+}.
 21898 | D:14     | 21898 ||| SWAPPING to +6 heavy broad axe.
 21899 | D:14     | 21899 ||| SWAPPING to +9 broad axe "Kosum" {antimagic,
                  | rC+}.
 21900 | D:14     | 21900 ||| SWAPPING to +6 heavy broad axe.
 21901 | D:14     | 21901 ||| SWAPPING to +9 broad axe "Kosum" {antimagic,
                  | rC+}.
 21902 | D:14     | 21902 ||| SWAPPING to +6 heavy broad axe.
 21903 | D:14     | 21903 ||| SWAPPING to +9 broad axe "Kosum" {antimagic,
                  | rC+}.
 21904 | D:14     | 21904 ||| SWAPPING to +6 heavy broad axe.
 21905 | D:14     | 21905 ||| SWAPPING to +9 broad axe "Kosum" {antimagic,
                  | rC+}.
 21906 | D:14     | 21906 ||| SWAPPING to +6 heavy broad axe.
 21907 | D:14     | 21907 ||| SWAPPING to +9 broad axe "Kosum" {antimagic,
                  | rC+}.
 21908 | D:14     | 21908 ||| SWAPPING to +6 heavy broad axe.
 21909 | D:14     | 21909 ||| SWAPPING to +9 broad axe "Kosum" {antimagic,
                  | rC+}.
 21910 | D:14     | 21910 ||| SWAPPING to +6 heavy broad axe.
 21911 | D:14     | 21911 ||| SWAPPING to +9 broad axe "Kosum" {antimagic,
                  | rC+}.
 21912 | D:14     | 21912 ||| SWAPPING to +6 heavy broad axe.
 21913 | D:14     | 21913 ||| SWAPPING to +9 broad axe "Kosum" {antimagic,
                  | rC+}.
 21914 | D:14     | 21914 ||| SWAPPING to +6 heavy broad axe.
 21915 | D:14     | 21915 ||| SWAPPING to +9 broad axe "Kosum" {antimagic,
                  | rC+}.
 21916 | D:14     | 21916 ||| SWAPPING to +6 heavy broad axe.
 21917 | D:14     | 21917 ||| SWAPPING to +9 broad axe "Kosum" {antimagic,
                  | rC+}.
 21918 | D:14     | 21918 ||| SWAPPING to +6 heavy broad axe.
 21919 | D:14     | 21919 ||| SWAPPING to +9 broad axe "Kosum" {antimagic,
                  | rC+}.
 21920 | D:14     | 21920 ||| SWAPPING to +6 heavy broad axe.
 21921 | D:14     | 21921 ||| SWAPPING to +9 broad axe "Kosum" {antimagic,
                  | rC+}.
 21922 | D:14     | 21922 ||| SWAPPING to +6 heavy broad axe.
 21923 | D:14     | 21923 ||| SWAPPING to +9 broad axe "Kosum" {antimagic,
                  | rC+}.
 21924 | D:14     | 21924 ||| SWAPPING to +6 heavy broad axe.
 21925 | D:14     | 21925 ||| SWAPPING to +9 broad axe "Kosum" {antimagic,
                  | rC+}.
 21926 | D:14     | 21926 ||| SWAPPING to +6 heavy broad axe.
 21927 | D:14     | 21927 ||| SWAPPING to +9 broad axe "Kosum" {antimagic,
                  | rC+}.
 21928 | D:14     | 21928 ||| SWAPPING to +6 heavy broad axe.
 21929 | D:14     | 21929 ||| SWAPPING to +9 broad axe "Kosum" {antimagic,
                  | rC+}.
 21930 | D:14     | 21930 ||| SWAPPING to +6 heavy broad axe.
 21931 | D:14     | 21931 ||| SWAPPING to +9 broad axe "Kosum" {antimagic,
                  | rC+}.
 21932 | D:14     | 21932 ||| SWAPPING to +6 heavy broad axe.
 21933 | D:14     | 21933 ||| SWAPPING to +9 broad axe "Kosum" {antimagic,
                  | rC+}.
 21934 | D:14     | 21934 ||| SWAPPING to +6 heavy broad axe.
 21935 | D:14     | 21935 ||| SWAPPING to +9 broad axe "Kosum" {antimagic,
                  | rC+}.
 21936 | D:14     | 21936 ||| SWAPPING to +6 heavy broad axe.
 21937 | D:14     | 21937 ||| SWAPPING to +9 broad axe "Kosum" {antimagic,
                  | rC+}.
 21938 | D:14     | 21938 ||| SWAPPING to +6 heavy broad axe.
 21939 | D:14     | 21939 ||| SWAPPING to +9 broad axe "Kosum" {antimagic,
                  | rC+}.
 21940 | D:14     | 21940 ||| SWAPPING to +6 heavy broad axe.
 21941 | D:14     | 21941 ||| SWAPPING to +9 broad axe "Kosum" {antimagic,
                  | rC+}.
 21942 | D:14     | 21942 ||| SWAPPING to +6 heavy broad axe.
 21943 | D:14     | 21943 ||| SWAPPING to +9 broad axe "Kosum" {antimagic,
                  | rC+}.
 21944 | D:14     | 21944 ||| SWAPPING to +6 heavy broad axe.
 21945 | D:14     | 21945 ||| SWAPPING to +9 broad axe "Kosum" {antimagic,
                  | rC+}.
 21946 | D:14     | 21946 ||| SWAPPING to +6 heavy broad axe.
 21947 | D:14     | 21947 ||| SWAPPING to +9 broad axe "Kosum" {antimagic,
                  | rC+}.
 21948 | D:14     | 21948 ||| SWAPPING to +6 heavy broad axe.
 21949 | D:14     | 21949 ||| SWAPPING to +9 broad axe "Kosum" {antimagic,
                  | rC+}.
 21950 | D:14     | 21950 ||| SWAPPING to +6 heavy broad axe.
 21951 | D:14     | 21951 ||| SWAPPING to +9 broad axe "Kosum" {antimagic,
                  | rC+}.
 21952 | D:14     | 21952 ||| SWAPPING to +6 heavy broad axe.
 21953 | D:14     | 21953 ||| SWAPPING to +9 broad axe "Kosum" {antimagic,
                  | rC+}.
 21954 | D:14     | 21954 ||| SWAPPING to +6 heavy broad axe.
 21955 | D:14     | 21955 ||| SWAPPING to +9 broad axe "Kosum" {antimagic,
                  | rC+}.
 21956 | D:14     | 21956 ||| SWAPPING to +6 heavy broad axe.
 21957 | D:14     | 21957 ||| SWAPPING to +9 broad axe "Kosum" {antimagic,
                  | rC+}.
 21958 | D:14     | 21958 ||| SWAPPING to +6 heavy broad axe.
 21959 | D:14     | 21959 ||| SWAPPING to +9 broad axe "Kosum" {antimagic,
                  | rC+}.
 21960 | D:14     | 21960 ||| SWAPPING to +6 heavy broad axe.
 21961 | D:14     | 21961 ||| SWAPPING to +9 broad axe "Kosum" {antimagic,
                  | rC+}.
 21962 | D:14     | 21962 ||| SWAPPING to +6 heavy broad axe.
 21963 | D:14     | 21963 ||| SWAPPING to +9 broad axe "Kosum" {antimagic,
                  | rC+}.
 21964 | D:14     | 21964 ||| SWAPPING to +6 heavy broad axe.
 21965 | D:14     | 21965 ||| SWAPPING to +9 broad axe "Kosum" {antimagic,
                  | rC+}.
 21966 | D:14     | 21966 ||| SWAPPING to +6 heavy broad axe.
 21967 | D:14     | 21967 ||| SWAPPING to +9 broad axe "Kosum" {antimagic,
                  | rC+}.
 21968 | D:14     | 21968 ||| SWAPPING to +6 heavy broad axe.
 21969 | D:14     | 21969 ||| SWAPPING to +9 broad axe "Kosum" {antimagic,
                  | rC+}.
 21970 | D:14     | 21970 ||| SWAPPING to +6 heavy broad axe.
 21971 | D:14     | 21971 ||| SWAPPING to +9 broad axe "Kosum" {antimagic,
                  | rC+}.
 21972 | D:14     | 21972 ||| SWAPPING to +6 heavy broad axe.
 21973 | D:14     | 21973 ||| SWAPPING to +9 broad axe "Kosum" {antimagic,
                  | rC+}.
 21974 | D:14     | 21974 ||| SWAPPING to +6 heavy broad axe.
 21975 | D:14     | 21975 ||| SWAPPING to +9 broad axe "Kosum" {antimagic,
                  | rC+}.
 21976 | D:14     | 21976 ||| SWAPPING to +6 heavy broad axe.
 21977 | D:14     | 21977 ||| SWAPPING to +9 broad axe "Kosum" {antimagic,
                  | rC+}.
 21978 | D:14     | 21978 ||| SWAPPING to +6 heavy broad axe.
 21979 | D:14     | 21979 ||| SWAPPING to +9 broad axe "Kosum" {antimagic,
                  | rC+}.
 21980 | D:14     | 21980 ||| SWAPPING to +6 heavy broad axe.
 21981 | D:14     | 21981 ||| SWAPPING to +9 broad axe "Kosum" {antimagic,
                  | rC+}.
 21982 | D:14     | 21982 ||| SWAPPING to +6 heavy broad axe.
 21983 | D:14     | 21983 ||| SWAPPING to +9 broad axe "Kosum" {antimagic,
                  | rC+}.
 21984 | D:14     | 21984 ||| SWAPPING to +6 heavy broad axe.
 21985 | D:14     | 21985 ||| SWAPPING to +9 broad axe "Kosum" {antimagic,
                  | rC+}.
 21986 | D:14     | 21986 ||| SWAPPING to +6 heavy broad axe.
 21987 | D:14     | 21987 ||| SWAPPING to +9 broad axe "Kosum" {antimagic,
                  | rC+}.
 21988 | D:14     | 21988 ||| SWAPPING to +6 heavy broad axe.
 21989 | D:14     | 21989 ||| SWAPPING to +9 broad axe "Kosum" {antimagic,
                  | rC+}.
 21990 | D:14     | 21990 ||| SWAPPING to +6 heavy broad axe.
 21991 | D:14     | 21991 ||| SWAPPING to +9 broad axe "Kosum" {antimagic,
                  | rC+}.
 21992 | D:14     | 21992 ||| SWAPPING to +6 heavy broad axe.
 21993 | D:14     | 21993 ||| SWAPPING to +9 broad axe "Kosum" {antimagic,
                  | rC+}.
 21994 | D:14     | 21994 ||| SWAPPING to +6 heavy broad axe.
 21995 | D:14     | 21995 ||| SWAPPING to +9 broad axe "Kosum" {antimagic,
                  | rC+}.
 21996 | D:14     | 21996 ||| SWAPPING to +6 heavy broad axe.
 21997 | D:14     | 21997 ||| SWAPPING to +9 broad axe "Kosum" {antimagic,
                  | rC+}.
 21998 | D:14     | 21998 ||| SWAPPING to +6 heavy broad axe.
 21999 | D:14     | 21999 ||| SWAPPING to +9 broad axe "Kosum" {antimagic,
                  | rC+}.
 22000 | D:14     | 22000 ||| SWAPPING to +6 heavy broad axe.
 22001 | D:14     | 22001 ||| SWAPPING to +9 broad axe "Kosum" {antimagic,
                  | rC+}.
 22002 | D:14     | 22002 ||| SWAPPING to +6 heavy broad axe.
 22003 | D:14     | 22003 ||| SWAPPING to +9 broad axe "Kosum" {antimagic,
                  | rC+}.
 22004 | D:14     | 22004 ||| SWAPPING to +6 heavy broad axe.
 22005 | D:14     | 22005 ||| SWAPPING to +9 broad axe "Kosum" {antimagic,
                  | rC+}.
 22006 | D:14     | 22006 ||| SWAPPING to +6 heavy broad axe.
 22007 | D:14     | 22007 ||| SWAPPING to +9 broad axe "Kosum" {antimagic,
                  | rC+}.
 22008 | D:14     | 22008 ||| SWAPPING to +6 heavy broad axe.
 22009 | D:14     | 22009 ||| SWAPPING to +9 broad axe "Kosum" {antimagic,
                  | rC+}.
 22010 | D:14     | 22010 ||| SWAPPING to +6 heavy broad axe.
 22011 | D:14     | 22011 ||| SWAPPING to +9 broad axe "Kosum" {antimagic,
                  | rC+}.
 22012 | D:14     | 22012 ||| SWAPPING to +6 heavy broad axe.
 22013 | D:14     | 22013 ||| SWAPPING to +9 broad axe "Kosum" {antimagic,
                  | rC+}.
 22014 | D:14     | 22014 ||| SWAPPING to +6 heavy broad axe.
 22015 | D:14     | 22015 ||| SWAPPING to +9 broad axe "Kosum" {antimagic,
                  | rC+}.
 22016 | D:14     | 22016 ||| SWAPPING to +6 heavy broad axe.
 22017 | D:14     | 22017 ||| SWAPPING to +9 broad axe "Kosum" {antimagic,
                  | rC+}.
 22018 | D:14     | 22018 ||| SWAPPING to +6 heavy broad axe.
 22019 | D:14     | 22019 ||| SWAPPING to +9 broad axe "Kosum" {antimagic,
                  | rC+}.
 22020 | D:14     | 22020 ||| SWAPPING to +6 heavy broad axe.
 22021 | D:14     | 22021 ||| SWAPPING to +9 broad axe "Kosum" {antimagic,
                  | rC+}.
 22022 | D:14     | 22022 ||| SWAPPING to +6 heavy broad axe.
 22023 | D:14     | 22023 ||| SWAPPING to +9 broad axe "Kosum" {antimagic,
                  | rC+}.
 22024 | D:14     | 22024 ||| SWAPPING to +6 heavy broad axe.
 22025 | D:14     | 22025 ||| SWAPPING to +9 broad axe "Kosum" {antimagic,
                  | rC+}.
 22026 | D:14     | 22026 ||| SWAPPING to +6 heavy broad axe.
 22027 | D:14     | 22027 ||| SWAPPING to +9 broad axe "Kosum" {antimagic,
                  | rC+}.
 22028 | D:14     | 22028 ||| SWAPPING to +6 heavy broad axe.
 22029 | D:14     | 22029 ||| SWAPPING to +9 broad axe "Kosum" {antimagic,
                  | rC+}.
 22030 | D:14     | 22030 ||| SWAPPING to +6 heavy broad axe.
 22031 | D:14     | 22031 ||| SWAPPING to +9 broad axe "Kosum" {antimagic,
                  | rC+}.
 22032 | D:14     | 22032 ||| SWAPPING to +6 heavy broad axe.
 22033 | D:14     | 22033 ||| SWAPPING to +9 broad axe "Kosum" {antimagic,
                  | rC+}.
 22034 | D:14     | 22034 ||| SWAPPING to +6 heavy broad axe.
 22035 | D:14     | 22035 ||| SWAPPING to +9 broad axe "Kosum" {antimagic,
                  | rC+}.
 22036 | D:14     | 22036 ||| SWAPPING to +6 heavy broad axe.
 22037 | D:14     | 22037 ||| SWAPPING to +9 broad axe "Kosum" {antimagic,
                  | rC+}.
 22038 | D:14     | 22038 ||| SWAPPING to +6 heavy broad axe.
 22039 | D:14     | 22039 ||| SWAPPING to +9 broad axe "Kosum" {antimagic,
                  | rC+}.
 22040 | D:14     | 22040 ||| SWAPPING to +6 heavy broad axe.
 22041 | D:14     | 22041 ||| SWAPPING to +9 broad axe "Kosum" {antimagic,
                  | rC+}.
 22042 | D:14     | 22042 ||| SWAPPING to +6 heavy broad axe.
 22043 | D:14     | 22043 ||| SWAPPING to +9 broad axe "Kosum" {antimagic,
                  | rC+}.
 22044 | D:14     | 22044 ||| SWAPPING to +6 heavy broad axe.
 22045 | D:14     | 22045 ||| SWAPPING to +9 broad axe "Kosum" {antimagic,
                  | rC+}.
 22046 | D:14     | 22046 ||| SWAPPING to +6 heavy broad axe.
 22047 | D:14     | 22047 ||| SWAPPING to +9 broad axe "Kosum" {antimagic,
                  | rC+}.
 22048 | D:14     | 22048 ||| SWAPPING to +6 heavy broad axe.
 22049 | D:14     | 22049 ||| SWAPPING to +9 broad axe "Kosum" {antimagic,
                  | rC+}.
 22050 | D:14     | 22050 ||| SWAPPING to +6 heavy broad axe.
 22051 | D:14     | 22051 ||| SWAPPING to +9 broad axe "Kosum" {antimagic,
                  | rC+}.
 22052 | D:14     | 22052 ||| SWAPPING to +6 heavy broad axe.
 22053 | D:14     | 22053 ||| SWAPPING to +9 broad axe "Kosum" {antimagic,
                  | rC+}.
 22054 | D:14     | 22054 ||| SWAPPING to +6 heavy broad axe.
 22055 | D:14     | 22055 ||| SWAPPING to +9 broad axe "Kosum" {antimagic,
                  | rC+}.
 22056 | D:14     | 22056 ||| SWAPPING to +6 heavy broad axe.
 22057 | D:14     | 22057 ||| SWAPPING to +9 broad axe "Kosum" {antimagic,
                  | rC+}.
 22058 | D:14     | 22058 ||| SWAPPING to +6 heavy broad axe.
 22059 | D:14     | 22059 ||| SWAPPING to +9 broad axe "Kosum" {antimagic,
                  | rC+}.
 22060 | D:14     | 22060 ||| SWAPPING to +6 heavy broad axe.
 22061 | D:14     | 22061 ||| SWAPPING to +9 broad axe "Kosum" {antimagic,
                  | rC+}.
 22062 | D:14     | 22062 ||| SWAPPING to +6 heavy broad axe.
 22063 | D:14     | 22063 ||| SWAPPING to +9 broad axe "Kosum" {antimagic,
                  | rC+}.
 22064 | D:14     | 22064 ||| SWAPPING to +6 heavy broad axe.
 22065 | D:14     | 22065 ||| SWAPPING to +9 broad axe "Kosum" {antimagic,
                  | rC+}.
 22066 | D:14     | 22066 ||| SWAPPING to +6 heavy broad axe.
 22067 | D:14     | 22067 ||| SWAPPING to +9 broad axe "Kosum" {antimagic,
                  | rC+}.
 22068 | D:14     | 22068 ||| SWAPPING to +6 heavy broad axe.
 22069 | D:14     | 22069 ||| SWAPPING to +9 broad axe "Kosum" {antimagic,
                  | rC+}.
 22070 | D:14     | 22070 ||| SWAPPING to +6 heavy broad axe.
 22071 | D:14     | 22071 ||| SWAPPING to +9 broad axe "Kosum" {antimagic,
                  | rC+}.
 22072 | D:14     | 22072 ||| SWAPPING to +6 heavy broad axe.
 22073 | D:14     | 22073 ||| SWAPPING to +9 broad axe "Kosum" {antimagic,
                  | rC+}.
 22074 | D:14     | 22074 ||| SWAPPING to +6 heavy broad axe.
 22075 | D:14     | 22075 ||| SWAPPING to +9 broad axe "Kosum" {antimagic,
                  | rC+}.
 22076 | D:14     | 22076 ||| SWAPPING to +6 heavy broad axe.
 22077 | D:14     | 22077 ||| SWAPPING to +9 broad axe "Kosum" {antimagic,
                  | rC+}.
 22078 | D:14     | 22078 ||| SWAPPING to +6 heavy broad axe.
 22079 | D:14     | 22079 ||| SWAPPING to +9 broad axe "Kosum" {antimagic,
                  | rC+}.
 22080 | D:14     | 22080 ||| SWAPPING to +6 heavy broad axe.
 22081 | D:14     | 22081 ||| SWAPPING to +9 broad axe "Kosum" {antimagic,
                  | rC+}.
 22082 | D:14     | 22082 ||| SWAPPING to +6 heavy broad axe.
 22083 | D:14     | 22083 ||| SWAPPING to +9 broad axe "Kosum" {antimagic,
                  | rC+}.
 22084 | D:14     | 22084 ||| SWAPPING to +6 heavy broad axe.
 22085 | D:14     | 22085 ||| SWAPPING to +9 broad axe "Kosum" {antimagic,
                  | rC+}.
 22086 | D:14     | 22086 ||| SWAPPING to +6 heavy broad axe.
 22087 | D:14     | 22087 ||| SWAPPING to +9 broad axe "Kosum" {antimagic,
                  | rC+}.
 22088 | D:14     | 22088 ||| SWAPPING to +6 heavy broad axe.
 22089 | D:14     | 22089 ||| SWAPPING to +9 broad axe "Kosum" {antimagic,
                  | rC+}.
 22090 | D:14     | 22090 ||| SWAPPING to +6 heavy broad axe.
 22091 | D:14     | 22091 ||| SWAPPING to +9 broad axe "Kosum" {antimagic,
                  | rC+}.
 22092 | D:14     | 22092 ||| SWAPPING to +6 heavy broad axe.
 22093 | D:14     | 22093 ||| SWAPPING to +9 broad axe "Kosum" {antimagic,
                  | rC+}.
 22094 | D:14     | 22094 ||| SWAPPING to +6 heavy broad axe.
 22095 | D:14     | 22095 ||| SWAPPING to +9 broad axe "Kosum" {antimagic,
                  | rC+}.
 22096 | D:14     | 22096 ||| SWAPPING to +6 heavy broad axe.
 22097 | D:14     | 22097 ||| SWAPPING to +9 broad axe "Kosum" {antimagic,
                  | rC+}.
 22098 | D:14     | 22098 ||| SWAPPING to +6 heavy broad axe.
 22099 | D:14     | 22099 ||| SWAPPING to +9 broad axe "Kosum" {antimagic,
                  | rC+}.
 22100 | D:14     | 22100 ||| SWAPPING to +6 heavy broad axe.
 22101 | D:14     | 22101 ||| SWAPPING to +9 broad axe "Kosum" {antimagic,
                  | rC+}.
 22102 | D:14     | 22102 ||| SWAPPING to +6 heavy broad axe.
 22103 | D:14     | 22103 ||| SWAPPING to +9 broad axe "Kosum" {antimagic,
                  | rC+}.
 22104 | D:14     | 22104 ||| SWAPPING to +6 heavy broad axe.
 22105 | D:14     | 22105 ||| SWAPPING to +9 broad axe "Kosum" {antimagic,
                  | rC+}.
 22106 | D:14     | 22106 ||| SWAPPING to +6 heavy broad axe.
 22107 | D:14     | 22107 ||| SWAPPING to +9 broad axe "Kosum" {antimagic,
                  | rC+}.
 22108 | D:14     | 22108 ||| SWAPPING to +6 heavy broad axe.
 22109 | D:14     | 22109 ||| SWAPPING to +9 broad axe "Kosum" {antimagic,
                  | rC+}.
 22110 | D:14     | 22110 ||| SWAPPING to +6 heavy broad axe.
 22111 | D:14     | 22111 ||| SWAPPING to +9 broad axe "Kosum" {antimagic,
                  | rC+}.
 22112 | D:14     | 22112 ||| SWAPPING to +6 heavy broad axe.
 22113 | D:14     | 22113 ||| SWAPPING to +9 broad axe "Kosum" {antimagic,
                  | rC+}.
 22114 | D:14     | 22114 ||| SWAPPING to +6 heavy broad axe.
 22115 | D:14     | 22115 ||| SWAPPING to +9 broad axe "Kosum" {antimagic,
                  | rC+}.
 22116 | D:14     | 22116 ||| SWAPPING to +6 heavy broad axe.
 22117 | D:14     | 22117 ||| SWAPPING to +9 broad axe "Kosum" {antimagic,
                  | rC+}.
 22118 | D:14     | 22118 ||| SWAPPING to +6 heavy broad axe.
 22119 | D:14     | 22119 ||| SWAPPING to +9 broad axe "Kosum" {antimagic,
                  | rC+}.
 22120 | D:14     | 22120 ||| SWAPPING to +6 heavy broad axe.
 22121 | D:14     | 22121 ||| SWAPPING to +9 broad axe "Kosum" {antimagic,
                  | rC+}.
 22122 | D:14     | 22122 ||| SWAPPING to +6 heavy broad axe.
 22123 | D:14     | 22123 ||| SWAPPING to +9 broad axe "Kosum" {antimagic,
                  | rC+}.
 22124 | D:14     | 22124 ||| SWAPPING to +6 heavy broad axe.
 22125 | D:14     | 22125 ||| SWAPPING to +9 broad axe "Kosum" {antimagic,
                  | rC+}.
 22126 | D:14     | 22126 ||| SWAPPING to +6 heavy broad axe.
 22127 | D:14     | 22127 ||| SWAPPING to +9 broad axe "Kosum" {antimagic,
                  | rC+}.
 22128 | D:14     | 22128 ||| SWAPPING to +6 heavy broad axe.
 22129 | D:14     | 22129 ||| SWAPPING to +9 broad axe "Kosum" {antimagic,
                  | rC+}.
 22130 | D:14     | 22130 ||| SWAPPING to +6 heavy broad axe.
 22131 | D:14     | 22131 ||| SWAPPING to +9 broad axe "Kosum" {antimagic,
                  | rC+}.
 22132 | D:14     | 22132 ||| SWAPPING to +6 heavy broad axe.
 22133 | D:14     | 22133 ||| SWAPPING to +9 broad axe "Kosum" {antimagic,
                  | rC+}.
 22134 | D:14     | 22134 ||| SWAPPING to +6 heavy broad axe.
 22135 | D:14     | 22135 ||| SWAPPING to +9 broad axe "Kosum" {antimagic,
                  | rC+}.
 22136 | D:14     | 22136 ||| SWAPPING to +6 heavy broad axe.
 22137 | D:14     | 22137 ||| SWAPPING to +9 broad axe "Kosum" {antimagic,
                  | rC+}.
 22138 | D:14     | 22138 ||| SWAPPING to +6 heavy broad axe.
 22139 | D:14     | 22139 ||| SWAPPING to +9 broad axe "Kosum" {antimagic,
                  | rC+}.
 22140 | D:14     | 22140 ||| SWAPPING to +6 heavy broad axe.
 22141 | D:14     | 22141 ||| SWAPPING to +9 broad axe "Kosum" {antimagic,
                  | rC+}.
 22142 | D:14     | 22142 ||| SWAPPING to +6 heavy broad axe.
 22143 | D:14     | 22143 ||| SWAPPING to +9 broad axe "Kosum" {antimagic,
                  | rC+}.
 22144 | D:14     | 22144 ||| SWAPPING to +6 heavy broad axe.
 22145 | D:14     | 22145 ||| SWAPPING to +9 broad axe "Kosum" {antimagic,
                  | rC+}.
 22146 | D:14     | 22146 ||| SWAPPING to +6 heavy broad axe.
 22147 | D:14     | 22147 ||| SWAPPING to +9 broad axe "Kosum" {antimagic,
                  | rC+}.
 22148 | D:14     | 22148 ||| SWAPPING to +6 heavy broad axe.
 22149 | D:14     | 22149 ||| SWAPPING to +9 broad axe "Kosum" {antimagic,
                  | rC+}.
 22150 | D:14     | 22150 ||| SWAPPING to +6 heavy broad axe.
 22151 | D:14     | 22151 ||| SWAPPING to +9 broad axe "Kosum" {antimagic,
                  | rC+}.
 22152 | D:14     | 22152 ||| SWAPPING to +6 heavy broad axe.
 22153 | D:14     | 22153 ||| SWAPPING to +9 broad axe "Kosum" {antimagic,
                  | rC+}.
 22154 | D:14     | 22154 ||| SWAPPING to +6 heavy broad axe.
 22155 | D:14     | 22155 ||| SWAPPING to +9 broad axe "Kosum" {antimagic,
                  | rC+}.
 22156 | D:14     | 22156 ||| SWAPPING to +6 heavy broad axe.
 22157 | D:14     | 22157 ||| SWAPPING to +9 broad axe "Kosum" {antimagic,
                  | rC+}.
 22158 | D:14     | 22158 ||| SWAPPING to +6 heavy broad axe.
 22159 | D:14     | 22159 ||| SWAPPING to +9 broad axe "Kosum" {antimagic,
                  | rC+}.
 22160 | D:14     | 22160 ||| SWAPPING to +6 heavy broad axe.
 22161 | D:14     | 22161 ||| SWAPPING to +9 broad axe "Kosum" {antimagic,
                  | rC+}.
 22162 | D:14     | 22162 ||| SWAPPING to +6 heavy broad axe.
 22163 | D:14     | 22163 ||| SWAPPING to +9 broad axe "Kosum" {antimagic,
                  | rC+}.
 22164 | D:14     | 22164 ||| SWAPPING to +6 heavy broad axe.
 22165 | D:14     | 22165 ||| SWAPPING to +9 broad axe "Kosum" {antimagic,
                  | rC+}.
 22166 | D:14     | 22166 ||| SWAPPING to +6 heavy broad axe.
 22167 | D:14     | 22167 ||| SWAPPING to +9 broad axe "Kosum" {antimagic,
                  | rC+}.
 22168 | D:14     | 22168 ||| SWAPPING to +6 heavy broad axe.
 22169 | D:14     | 22169 ||| SWAPPING to +9 broad axe "Kosum" {antimagic,
                  | rC+}.
 22170 | D:14     | 22170 ||| SWAPPING to +6 heavy broad axe.
 22171 | D:14     | 22171 ||| SWAPPING to +9 broad axe "Kosum" {antimagic,
                  | rC+}.
 22172 | D:14     | 22172 ||| SWAPPING to +6 heavy broad axe.
 22173 | D:14     | 22173 ||| SWAPPING to +9 broad axe "Kosum" {antimagic,
                  | rC+}.
 22174 | D:14     | 22174 ||| SWAPPING to +6 heavy broad axe.
 22175 | D:14     | 22175 ||| SWAPPING to +9 broad axe "Kosum" {antimagic,
                  | rC+}.
 22176 | D:14     | 22176 ||| SWAPPING to +6 heavy broad axe.
 22177 | D:14     | 22177 ||| SWAPPING to +9 broad axe "Kosum" {antimagic,
                  | rC+}.
 22178 | D:14     | 22178 ||| SWAPPING to +6 heavy broad axe.
 22179 | D:14     | 22179 ||| SWAPPING to +9 broad axe "Kosum" {antimagic,
                  | rC+}.
 22180 | D:14     | 22180 ||| SWAPPING to +6 heavy broad axe.
 22181 | D:14     | 22181 ||| SWAPPING to +9 broad axe "Kosum" {antimagic,
                  | rC+}.
 22182 | D:14     | 22182 ||| SWAPPING to +6 heavy broad axe.
 22183 | D:14     | 22183 ||| SWAPPING to +9 broad axe "Kosum" {antimagic,
                  | rC+}.
 22184 | D:14     | 22184 ||| SWAPPING to +6 heavy broad axe.
 22185 | D:14     | 22185 ||| SWAPPING to +9 broad axe "Kosum" {antimagic,
                  | rC+}.
 22186 | D:14     | 22186 ||| SWAPPING to +6 heavy broad axe.
 22187 | D:14     | 22187 ||| SWAPPING to +9 broad axe "Kosum" {antimagic,
                  | rC+}.
 22188 | D:14     | 22188 ||| SWAPPING to +6 heavy broad axe.
 22189 | D:14     | 22189 ||| SWAPPING to +9 broad axe "Kosum" {antimagic,
                  | rC+}.
 22190 | D:14     | 22190 ||| SWAPPING to +6 heavy broad axe.
 22191 | D:14     | 22191 ||| SWAPPING to +9 broad axe "Kosum" {antimagic,
                  | rC+}.
 22192 | D:14     | 22192 ||| SWAPPING to +6 heavy broad axe.
 22193 | D:14     | 22193 ||| SWAPPING to +9 broad axe "Kosum" {antimagic,
                  | rC+}.
 22194 | D:14     | 22194 ||| SWAPPING to +6 heavy broad axe.
 22195 | D:14     | 22195 ||| SWAPPING to +9 broad axe "Kosum" {antimagic,
                  | rC+}.
 22196 | D:14     | 22196 ||| SWAPPING to +6 heavy broad axe.
 22197 | D:14     | 22197 ||| SWAPPING to +9 broad axe "Kosum" {antimagic,
                  | rC+}.
 22198 | D:14     | 22198 ||| SWAPPING to +6 heavy broad axe.
 22199 | D:14     | 22199 ||| SWAPPING to +9 broad axe "Kosum" {antimagic,
                  | rC+}.
 22200 | D:14     | 22200 ||| SWAPPING to +6 heavy broad axe.
 22201 | D:14     | 22201 ||| SWAPPING to +9 broad axe "Kosum" {antimagic,
                  | rC+}.
 22202 | D:14     | 22202 ||| SWAPPING to +6 heavy broad axe.
 22203 | D:14     | 22203 ||| SWAPPING to +9 broad axe "Kosum" {antimagic,
                  | rC+}.
 22204 | D:14     | 22204 ||| SWAPPING to +6 heavy broad axe.
 22205 | D:14     | 22205 ||| SWAPPING to +9 broad axe "Kosum" {antimagic,
                  | rC+}.
 22206 | D:14     | 22206 ||| SWAPPING to +6 heavy broad axe.
 22207 | D:14     | 22207 ||| SWAPPING to +9 broad axe "Kosum" {antimagic,
                  | rC+}.
 22208 | D:14     | 22208 ||| SWAPPING to +6 heavy broad axe.
 22209 | D:14     | 22209 ||| SWAPPING to +9 broad axe "Kosum" {antimagic,
                  | rC+}.
 22210 | D:14     | 22210 ||| SWAPPING to +6 heavy broad axe.
 22211 | D:14     | 22211 ||| SWAPPING to +9 broad axe "Kosum" {antimagic,
                  | rC+}.
 22212 | D:14     | 22212 ||| SWAPPING to +6 heavy broad axe.
 22213 | D:14     | 22213 ||| SWAPPING to +9 broad axe "Kosum" {antimagic,
                  | rC+}.
 22214 | D:14     | 22214 ||| SWAPPING to +6 heavy broad axe.
 22215 | D:14     | 22215 ||| SWAPPING to +9 broad axe "Kosum" {antimagic,
                  | rC+}.
 22216 | D:14     | 22216 ||| SWAPPING to +6 heavy broad axe.
 22217 | D:14     | 22217 ||| SWAPPING to +9 broad axe "Kosum" {antimagic,
                  | rC+}.
 22218 | D:14     | 22218 ||| SWAPPING to +6 heavy broad axe.
 22219 | D:14     | 22219 ||| SWAPPING to +9 broad axe "Kosum" {antimagic,
                  | rC+}.
 22220 | D:14     | 22220 ||| SWAPPING to +6 heavy broad axe.
 22221 | D:14     | 22221 ||| SWAPPING to +9 broad axe "Kosum" {antimagic,
                  | rC+}.
 22222 | D:14     | 22222 ||| SWAPPING to +6 heavy broad axe.
 22223 | D:14     | 22223 ||| SWAPPING to +9 broad axe "Kosum" {antimagic,
                  | rC+}.
 22224 | D:14     | 22224 ||| SWAPPING to +6 heavy broad axe.
 22225 | D:14     | 22225 ||| SWAPPING to +9 broad axe "Kosum" {antimagic,
                  | rC+}.
 22226 | D:14     | 22226 ||| SWAPPING to +6 heavy broad axe.
 22227 | D:14     | 22227 ||| SWAPPING to +9 broad axe "Kosum" {antimagic,
                  | rC+}.
 22228 | D:14     | 22228 ||| SWAPPING to +6 heavy broad axe.
 22229 | D:14     | 22229 ||| SWAPPING to +9 broad axe "Kosum" {antimagic,
                  | rC+}.
 22230 | D:14     | 22230 ||| SWAPPING to +6 heavy broad axe.
 22231 | D:14     | 22231 ||| SWAPPING to +9 broad axe "Kosum" {antimagic,
                  | rC+}.
 22232 | D:14     | 22232 ||| SWAPPING to +6 heavy broad axe.
 22233 | D:14     | 22233 ||| SWAPPING to +9 broad axe "Kosum" {antimagic,
                  | rC+}.
 22234 | D:14     | 22234 ||| SWAPPING to +6 heavy broad axe.
 22235 | D:14     | 22235 ||| SWAPPING to +9 broad axe "Kosum" {antimagic,
                  | rC+}.
 22236 | D:14     | 22236 ||| SWAPPING to +6 heavy broad axe.
 22237 | D:14     | 22237 ||| SWAPPING to +9 broad axe "Kosum" {antimagic,
                  | rC+}.
 22238 | D:14     | 22238 ||| SWAPPING to +6 heavy broad axe.
 22239 | D:14     | 22239 ||| SWAPPING to +9 broad axe "Kosum" {antimagic,
                  | rC+}.
 22240 | D:14     | 22240 ||| SWAPPING to +6 heavy broad axe.
 22241 | D:14     | 22241 ||| SWAPPING to +9 broad axe "Kosum" {antimagic,
                  | rC+}.
 22242 | D:14     | 22242 ||| SWAPPING to +6 heavy broad axe.
 22243 | D:14     | 22243 ||| SWAPPING to +9 broad axe "Kosum" {antimagic,
                  | rC+}.
 22244 | D:14     | 22244 ||| SWAPPING to +6 heavy broad axe.
 22245 | D:14     | 22245 ||| SWAPPING to +9 broad axe "Kosum" {antimagic,
                  | rC+}.
 22246 | D:14     | 22246 ||| SWAPPING to +6 heavy broad axe.
 22247 | D:14     | 22247 ||| SWAPPING to +9 broad axe "Kosum" {antimagic,
                  | rC+}.
 22248 | D:14     | 22248 ||| SWAPPING to +6 heavy broad axe.
 22249 | D:14     | 22249 ||| SWAPPING to +9 broad axe "Kosum" {antimagic,
                  | rC+}.
 22250 | D:14     | 22250 ||| SWAPPING to +6 heavy broad axe.
 22251 | D:14     | 22251 ||| SWAPPING to +9 broad axe "Kosum" {antimagic,
                  | rC+}.
 22252 | D:14     | 22252 ||| SWAPPING to +6 heavy broad axe.
 22253 | D:14     | 22253 ||| SWAPPING to +9 broad axe "Kosum" {antimagic,
                  | rC+}.
 22254 | D:14     | 22254 ||| SWAPPING to +6 heavy broad axe.
 22255 | D:14     | 22255 ||| SWAPPING to +9 broad axe "Kosum" {antimagic,
                  | rC+}.
 22256 | D:14     | 22256 ||| SWAPPING to +6 heavy broad axe.
 22257 | D:14     | 22257 ||| SWAPPING to +9 broad axe "Kosum" {antimagic,
                  | rC+}.
 22258 | D:14     | 22258 ||| SWAPPING to +6 heavy broad axe.
 22259 | D:14     | 22259 ||| SWAPPING to +9 broad axe "Kosum" {antimagic,
                  | rC+}.
 22260 | D:14     | 22260 ||| SWAPPING to +6 heavy broad axe.
 22261 | D:14     | 22261 ||| SWAPPING to +9 broad axe "Kosum" {antimagic,
                  | rC+}.
 22262 | D:14     | 22262 ||| SWAPPING to +6 heavy broad axe.
 22263 | D:14     | 22263 ||| SWAPPING to +9 broad axe "Kosum" {antimagic,
                  | rC+}.
 22264 | D:14     | 22264 ||| SWAPPING to +6 heavy broad axe.
 22265 | D:14     | 22265 ||| SWAPPING to +9 broad axe "Kosum" {antimagic,
                  | rC+}.
 22266 | D:14     | 22266 ||| SWAPPING to +6 heavy broad axe.
 22267 | D:14     | 22267 ||| SWAPPING to +9 broad axe "Kosum" {antimagic,
                  | rC+}.
 22268 | D:14     | 22268 ||| SWAPPING to +6 heavy broad axe.
 22269 | D:14     | 22269 ||| SWAPPING to +9 broad axe "Kosum" {antimagic,
                  | rC+}.
 22270 | D:14     | 22270 ||| SWAPPING to +6 heavy broad axe.
 22271 | D:14     | 22271 ||| SWAPPING to +9 broad axe "Kosum" {antimagic,
                  | rC+}.
 22272 | D:14     | 22272 ||| SWAPPING to +6 heavy broad axe.
 22273 | D:14     | 22273 ||| SWAPPING to +9 broad axe "Kosum" {antimagic,
                  | rC+}.
 22274 | D:14     | 22274 ||| SWAPPING to +6 heavy broad axe.
 22275 | D:14     | 22275 ||| SWAPPING to +9 broad axe "Kosum" {antimagic,
                  | rC+}.
 22276 | D:14     | 22276 ||| SWAPPING to +6 heavy broad axe.
 22277 | D:14     | 22277 ||| SWAPPING to +9 broad axe "Kosum" {antimagic,
                  | rC+}.
 22278 | D:14     | 22278 ||| SWAPPING to +6 heavy broad axe.
 22279 | D:14     | 22279 ||| SWAPPING to +9 broad axe "Kosum" {antimagic,
                  | rC+}.
 22280 | D:14     | 22280 ||| SWAPPING to +6 heavy broad axe.
 22281 | D:14     | 22281 ||| SWAPPING to +9 broad axe "Kosum" {antimagic,
                  | rC+}.
 22282 | D:14     | 22282 ||| SWAPPING to +6 heavy broad axe.
 22283 | D:14     | 22283 ||| SWAPPING to +9 broad axe "Kosum" {antimagic,
                  | rC+}.
 22284 | D:14     | 22284 ||| SWAPPING to +6 heavy broad axe.
 22285 | D:14     | 22285 ||| SWAPPING to +9 broad axe "Kosum" {antimagic,
                  | rC+}.
 22286 | D:14     | 22286 ||| SWAPPING to +6 heavy broad axe.
 22287 | D:14     | 22287 ||| SWAPPING to +9 broad axe "Kosum" {antimagic,
                  | rC+}.
 22288 | D:14     | 22288 ||| SWAPPING to +6 heavy broad axe.
 22289 | D:14     | 22289 ||| SWAPPING to +9 broad axe "Kosum" {antimagic,
                  | rC+}.
 22290 | D:14     | 22290 ||| SWAPPING to +6 heavy broad axe.
 22291 | D:14     | 22291 ||| SWAPPING to +9 broad axe "Kosum" {antimagic,
                  | rC+}.
 22292 | D:14     | 22292 ||| SWAPPING to +6 heavy broad axe.
 22293 | D:14     | 22293 ||| SWAPPING to +9 broad axe "Kosum" {antimagic,
                  | rC+}.
 22294 | D:14     | 22294 ||| SWAPPING to +6 heavy broad axe.
 22295 | D:14     | 22295 ||| SWAPPING to +9 broad axe "Kosum" {antimagic,
                  | rC+}.
 22296 | D:14     | 22296 ||| SWAPPING to +6 heavy broad axe.
 22297 | D:14     | 22297 ||| SWAPPING to +9 broad axe "Kosum" {antimagic,
                  | rC+}.
 22298 | D:14     | 22298 ||| SWAPPING to +6 heavy broad axe.
 22299 | D:14     | 22299 ||| SWAPPING to +9 broad axe "Kosum" {antimagic,
                  | rC+}.
 22300 | D:14     | 22300 ||| SWAPPING to +6 heavy broad axe.
 22301 | D:14     | 22301 ||| SWAPPING to +9 broad axe "Kosum" {antimagic,
                  | rC+}.
 22302 | D:14     | 22302 ||| SWAPPING to +6 heavy broad axe.
 22303 | D:14     | 22303 ||| SWAPPING to +9 broad axe "Kosum" {antimagic,
                  | rC+}.
 22304 | D:14     | 22304 ||| SWAPPING to +6 heavy broad axe.
 22305 | D:14     | 22305 ||| SWAPPING to +9 broad axe "Kosum" {antimagic,
                  | rC+}.
 22306 | D:14     | 22306 ||| SWAPPING to +6 heavy broad axe.
 22307 | D:14     | 22307 ||| SWAPPING to +9 broad axe "Kosum" {antimagic,
                  | rC+}.
 22308 | D:14     | 22308 ||| SWAPPING to +6 heavy broad axe.
 22309 | D:14     | 22309 ||| SWAPPING to +9 broad axe "Kosum" {antimagic,
                  | rC+}.
 22310 | D:14     | 22310 ||| SWAPPING to +6 heavy broad axe.
 22311 | D:14     | 22311 ||| SWAPPING to +9 broad axe "Kosum" {antimagic,
                  | rC+}.
 22312 | D:14     | 22312 ||| SWAPPING to +6 heavy broad axe.
 22313 | D:14     | 22313 ||| SWAPPING to +9 broad axe "Kosum" {antimagic,
                  | rC+}.
 22314 | D:14     | 22314 ||| SWAPPING to +6 heavy broad axe.
 22315 | D:14     | 22315 ||| SWAPPING to +9 broad axe "Kosum" {antimagic,
                  | rC+}.
 22316 | D:14     | 22316 ||| SWAPPING to +6 heavy broad axe.
 22317 | D:14     | 22317 ||| SWAPPING to +9 broad axe "Kosum" {antimagic,
                  | rC+}.
 22318 | D:14     | 22318 ||| SWAPPING to +6 heavy broad axe.
 22319 | D:14     | 22319 ||| SWAPPING to +9 broad axe "Kosum" {antimagic,
                  | rC+}.
 22320 | D:14     | 22320 ||| SWAPPING to +6 heavy broad axe.
 22321 | D:14     | 22321 ||| SWAPPING to +9 broad axe "Kosum" {antimagic,
                  | rC+}.
 22322 | D:14     | 22322 ||| SWAPPING to +6 heavy broad axe.
 22323 | D:14     | 22323 ||| SWAPPING to +9 broad axe "Kosum" {antimagic,
                  | rC+}.
 22324 | D:14     | 22324 ||| SWAPPING to +6 heavy broad axe.
 22325 | D:14     | 22325 ||| SWAPPING to +9 broad axe "Kosum" {antimagic,
                  | rC+}.
 22326 | D:14     | 22326 ||| SWAPPING to +6 heavy broad axe.
 22327 | D:14     | 22327 ||| SWAPPING to +9 broad axe "Kosum" {antimagic,
                  | rC+}.
 22328 | D:14     | 22328 ||| SWAPPING to +6 heavy broad axe.
 22329 | D:14     | 22329 ||| SWAPPING to +9 broad axe "Kosum" {antimagic,
                  | rC+}.
 22330 | D:14     | 22330 ||| SWAPPING to +6 heavy broad axe.
 22331 | D:14     | 22331 ||| SWAPPING to +9 broad axe "Kosum" {antimagic,
                  | rC+}.
 22332 | D:14     | 22332 ||| SWAPPING to +6 heavy broad axe.
 22333 | D:14     | 22333 ||| SWAPPING to +9 broad axe "Kosum" {antimagic,
                  | rC+}.
 22334 | D:14     | 22334 ||| SWAPPING to +6 heavy broad axe.
 22335 | D:14     | 22335 ||| SWAPPING to +9 broad axe "Kosum" {antimagic,
                  | rC+}.
 22336 | D:14     | 22336 ||| SWAPPING to +6 heavy broad axe.
 22337 | D:14     | 22337 ||| SWAPPING to +9 broad axe "Kosum" {antimagic,
                  | rC+}.
 22338 | D:14     | 22338 ||| SWAPPING to +6 heavy broad axe.
 22339 | D:14     | 22339 ||| SWAPPING to +9 broad axe "Kosum" {antimagic,
                  | rC+}.
 22340 | D:14     | 22340 ||| SWAPPING to +6 heavy broad axe.
 22341 | D:14     | 22341 ||| SWAPPING to +9 broad axe "Kosum" {antimagic,
                  | rC+}.
 22342 | D:14     | 22342 ||| SWAPPING to +6 heavy broad axe.
 22343 | D:14     | 22343 ||| SWAPPING to +9 broad axe "Kosum" {antimagic,
                  | rC+}.
 22344 | D:14     | 22344 ||| SWAPPING to +6 heavy broad axe.
 22345 | D:14     | 22345 ||| SWAPPING to +9 broad axe "Kosum" {antimagic,
                  | rC+}.
 22346 | D:14     | 22346 ||| SWAPPING to +6 heavy broad axe.
 22347 | D:14     | 22347 ||| SWAPPING to +9 broad axe "Kosum" {antimagic,
                  | rC+}.
 22348 | D:14     | 22348 ||| SWAPPING to +6 heavy broad axe.
 22349 | D:14     | 22349 ||| SWAPPING to +9 broad axe "Kosum" {antimagic,
                  | rC+}.
 22350 | D:14     | 22350 ||| SWAPPING to +6 heavy broad axe.
 22351 | D:14     | 22351 ||| SWAPPING to +9 broad axe "Kosum" {antimagic,
                  | rC+}.
 22352 | D:14     | 22352 ||| SWAPPING to +6 heavy broad axe.
 22353 | D:14     | 22353 ||| SWAPPING to +9 broad axe "Kosum" {antimagic,
                  | rC+}.
 22354 | D:14     | 22354 ||| SWAPPING to +6 heavy broad axe.
 22355 | D:14     | 22355 ||| SWAPPING to +9 broad axe "Kosum" {antimagic,
                  | rC+}.
 22356 | D:14     | 22356 ||| SWAPPING to +6 heavy broad axe.
 22357 | D:14     | 22357 ||| SWAPPING to +9 broad axe "Kosum" {antimagic,
                  | rC+}.
 22358 | D:14     | 22358 ||| SWAPPING to +6 heavy broad axe.
 22359 | D:14     | 22359 ||| SWAPPING to +9 broad axe "Kosum" {antimagic,
                  | rC+}.
 22360 | D:14     | 22360 ||| SWAPPING to +6 heavy broad axe.
 22361 | D:14     | 22361 ||| SWAPPING to +9 broad axe "Kosum" {antimagic,
                  | rC+}.
 22362 | D:14     | 22362 ||| SWAPPING to +6 heavy broad axe.
 22363 | D:14     | 22363 ||| SWAPPING to +9 broad axe "Kosum" {antimagic,
                  | rC+}.
 22364 | D:14     | 22364 ||| SWAPPING to +6 heavy broad axe.
 22365 | D:14     | 22365 ||| SWAPPING to +9 broad axe "Kosum" {antimagic,
                  | rC+}.
 22366 | D:14     | 22366 ||| SWAPPING to +6 heavy broad axe.
 22367 | D:14     | 22367 ||| SWAPPING to +9 broad axe "Kosum" {antimagic,
                  | rC+}.
 22368 | D:14     | 22368 ||| SWAPPING to +6 heavy broad axe.
 22369 | D:14     | 22369 ||| SWAPPING to +9 broad axe "Kosum" {antimagic,
                  | rC+}.
 22370 | D:14     | 22370 ||| SWAPPING to +6 heavy broad axe.
 22371 | D:14     | 22371 ||| SWAPPING to +9 broad axe "Kosum" {antimagic,
                  | rC+}.
 22372 | D:14     | 22372 ||| SWAPPING to +6 heavy broad axe.
 22373 | D:14     | 22373 ||| SWAPPING to +9 broad axe "Kosum" {antimagic,
                  | rC+}.
 22374 | D:14     | 22374 ||| SWAPPING to +6 heavy broad axe.
 22375 | D:14     | 22375 ||| SWAPPING to +9 broad axe "Kosum" {antimagic,
                  | rC+}.
 22376 | D:14     | 22376 ||| SWAPPING to +6 heavy broad axe.
 22377 | D:14     | 22377 ||| SWAPPING to +9 broad axe "Kosum" {antimagic,
                  | rC+}.
 22378 | D:14     | 22378 ||| SWAPPING to +6 heavy broad axe.
 22379 | D:14     | 22379 ||| SWAPPING to +9 broad axe "Kosum" {antimagic,
                  | rC+}.
 22380 | D:14     | 22380 ||| SWAPPING to +6 heavy broad axe.
 22381 | D:14     | 22381 ||| SWAPPING to +9 broad axe "Kosum" {antimagic,
                  | rC+}.
 22382 | D:14     | 22382 ||| SWAPPING to +6 heavy broad axe.
 22383 | D:14     | 22383 ||| SWAPPING to +9 broad axe "Kosum" {antimagic,
                  | rC+}.
 22384 | D:14     | 22384 ||| SWAPPING to +6 heavy broad axe.
 22385 | D:14     | 22385 ||| SWAPPING to +9 broad axe "Kosum" {antimagic,
                  | rC+}.
 22386 | D:14     | 22386 ||| SWAPPING to +6 heavy broad axe.
 22387 | D:14     | 22387 ||| SWAPPING to +9 broad axe "Kosum" {antimagic,
                  | rC+}.
 22388 | D:14     | 22388 ||| SWAPPING to +6 heavy broad axe.
 22389 | D:14     | 22389 ||| SWAPPING to +9 broad axe "Kosum" {antimagic,
                  | rC+}.
 22390 | D:14     | 22390 ||| SWAPPING to +6 heavy broad axe.
 22391 | D:14     | 22391 ||| SWAPPING to +9 broad axe "Kosum" {antimagic,
                  | rC+}.
 22392 | D:14     | 22392 ||| SWAPPING to +6 heavy broad axe.
 22393 | D:14     | 22393 ||| SWAPPING to +9 broad axe "Kosum" {antimagic,
                  | rC+}.
 22394 | D:14     | 22394 ||| SWAPPING to +6 heavy broad axe.
 22395 | D:14     | 22395 ||| SWAPPING to +9 broad axe "Kosum" {antimagic,
                  | rC+}.
 22396 | D:14     | 22396 ||| SWAPPING to +6 heavy broad axe.
 22397 | D:14     | 22397 ||| SWAPPING to +9 broad axe "Kosum" {antimagic,
                  | rC+}.
 22398 | D:14     | 22398 ||| SWAPPING to +6 heavy broad axe.
 22399 | D:14     | 22399 ||| SWAPPING to +9 broad axe "Kosum" {antimagic,
                  | rC+}.
 22400 | D:14     | 22400 ||| SWAPPING to +6 heavy broad axe.
 22401 | D:14     | 22401 ||| SWAPPING to +9 broad axe "Kosum" {antimagic,
                  | rC+}.
 22402 | D:14     | 22402 ||| SWAPPING to +6 heavy broad axe.
 22403 | D:14     | 22403 ||| SWAPPING to +9 broad axe "Kosum" {antimagic,
                  | rC+}.
 22404 | D:14     | 22404 ||| SWAPPING to +6 heavy broad axe.
 22405 | D:14     | 22405 ||| SWAPPING to +9 broad axe "Kosum" {antimagic,
                  | rC+}.
 22406 | D:14     | 22406 ||| SWAPPING to +6 heavy broad axe.
 22407 | D:14     | 22407 ||| SWAPPING to +9 broad axe "Kosum" {antimagic,
                  | rC+}.
 22408 | D:14     | 22408 ||| SWAPPING to +6 heavy broad axe.
 22409 | D:14     | 22409 ||| SWAPPING to +9 broad axe "Kosum" {antimagic,
                  | rC+}.
 22410 | D:14     | 22410 ||| SWAPPING to +6 heavy broad axe.
 22411 | D:14     | 22411 ||| SWAPPING to +9 broad axe "Kosum" {antimagic,
                  | rC+}.
 22412 | D:14     | 22412 ||| SWAPPING to +6 heavy broad axe.
 22413 | D:14     | 22413 ||| SWAPPING to +9 broad axe "Kosum" {antimagic,
                  | rC+}.
 22414 | D:14     | 22414 ||| SWAPPING to +6 heavy broad axe.
 22415 | D:14     | 22415 ||| SWAPPING to +9 broad axe "Kosum" {antimagic,
                  | rC+}.
 22416 | D:14     | 22416 ||| SWAPPING to +6 heavy broad axe.
 22417 | D:14     | 22417 ||| SWAPPING to +9 broad axe "Kosum" {antimagic,
                  | rC+}.
 22418 | D:14     | 22418 ||| SWAPPING to +6 heavy broad axe.
 22419 | D:14     | 22419 ||| SWAPPING to +9 broad axe "Kosum" {antimagic,
                  | rC+}.
 22420 | D:14     | 22420 ||| SWAPPING to +6 heavy broad axe.
 22421 | D:14     | 22421 ||| SWAPPING to +9 broad axe "Kosum" {antimagic,
                  | rC+}.
 22422 | D:14     | 22422 ||| SWAPPING to +6 heavy broad axe.
 22423 | D:14     | 22423 ||| SWAPPING to +9 broad axe "Kosum" {antimagic,
                  | rC+}.
 22424 | D:14     | 22424 ||| SWAPPING to +6 heavy broad axe.
 22425 | D:14     | 22425 ||| SWAPPING to +9 broad axe "Kosum" {antimagic,
                  | rC+}.
 22426 | D:14     | 22426 ||| SWAPPING to +6 heavy broad axe.
 22427 | D:14     | 22427 ||| SWAPPING to +9 broad axe "Kosum" {antimagic,
                  | rC+}.
 22428 | D:14     | 22428 ||| SWAPPING to +6 heavy broad axe.
 22429 | D:14     | 22429 ||| SWAPPING to +9 broad axe "Kosum" {antimagic,
                  | rC+}.
 22430 | D:14     | 22430 ||| SWAPPING to +6 heavy broad axe.
 22431 | D:14     | 22431 ||| SWAPPING to +9 broad axe "Kosum" {antimagic,
                  | rC+}.
 22432 | D:14     | 22432 ||| SWAPPING to +6 heavy broad axe.
 22433 | D:14     | 22433 ||| SWAPPING to +9 broad axe "Kosum" {antimagic,
                  | rC+}.
 22434 | D:14     | 22434 ||| SWAPPING to +6 heavy broad axe.
 22435 | D:14     | 22435 ||| SWAPPING to +9 broad axe "Kosum" {antimagic,
                  | rC+}.
 22436 | D:14     | 22436 ||| SWAPPING to +6 heavy broad axe.
 22437 | D:14     | 22437 ||| SWAPPING to +9 broad axe "Kosum" {antimagic,
                  | rC+}.
 22438 | D:14     | 22438 ||| SWAPPING to +6 heavy broad axe.
 22439 | D:14     | 22439 ||| SWAPPING to +9 broad axe "Kosum" {antimagic,
                  | rC+}.
 22440 | D:14     | 22440 ||| SWAPPING to +6 heavy broad axe.
 22441 | D:14     | 22441 ||| SWAPPING to +9 broad axe "Kosum" {antimagic,
                  | rC+}.
 22442 | D:14     | 22442 ||| SWAPPING to +6 heavy broad axe.
 22443 | D:14     | 22443 ||| SWAPPING to +9 broad axe "Kosum" {antimagic,
                  | rC+}.
 22444 | D:14     | 22444 ||| SWAPPING to +6 heavy broad axe.
 22445 | D:14     | 22445 ||| SWAPPING to +9 broad axe "Kosum" {antimagic,
                  | rC+}.
 22446 | D:14     | 22446 ||| SWAPPING to +6 heavy broad axe.
 22447 | D:14     | 22447 ||| SWAPPING to +9 broad axe "Kosum" {antimagic,
                  | rC+}.
 22448 | D:14     | 22448 ||| SWAPPING to +6 heavy broad axe.
 22449 | D:14     | 22449 ||| SWAPPING to +9 broad axe "Kosum" {antimagic,
                  | rC+}.
 22450 | D:14     | 22450 ||| SWAPPING to +6 heavy broad axe.
 22451 | D:14     | 22451 ||| SWAPPING to +9 broad axe "Kosum" {antimagic,
                  | rC+}.
 22452 | D:14     | 22452 ||| SWAPPING to +6 heavy broad axe.
 22453 | D:14     | 22453 ||| SWAPPING to +9 broad axe "Kosum" {antimagic,
                  | rC+}.
 22454 | D:14     | 22454 ||| SWAPPING to +6 heavy broad axe.
 22455 | D:14     | 22455 ||| SWAPPING to +9 broad axe "Kosum" {antimagic,
                  | rC+}.
 22456 | D:14     | 22456 ||| SWAPPING to +6 heavy broad axe.
 22457 | D:14     | 22457 ||| SWAPPING to +9 broad axe "Kosum" {antimagic,
                  | rC+}.
 22458 | D:14     | 22458 ||| SWAPPING to +6 heavy broad axe.
 22459 | D:14     | 22459 ||| SWAPPING to +9 broad axe "Kosum" {antimagic,
                  | rC+}.
 22460 | D:14     | 22460 ||| SWAPPING to +6 heavy broad axe.
 22461 | D:14     | 22461 ||| SWAPPING to +9 broad axe "Kosum" {antimagic,
                  | rC+}.
 22462 | D:14     | 22462 ||| SWAPPING to +6 heavy broad axe.
 22463 | D:14     | 22463 ||| SWAPPING to +9 broad axe "Kosum" {antimagic,
                  | rC+}.
 22464 | D:14     | 22464 ||| SWAPPING to +6 heavy broad axe.
 22465 | D:14     | 22465 ||| SWAPPING to +9 broad axe "Kosum" {antimagic,
                  | rC+}.
 22466 | D:14     | 22466 ||| SWAPPING to +6 heavy broad axe.
 22467 | D:14     | 22467 ||| SWAPPING to +9 broad axe "Kosum" {antimagic,
                  | rC+}.
 22468 | D:14     | 22468 ||| SWAPPING to +6 heavy broad axe.
 22469 | D:14     | 22469 ||| SWAPPING to +9 broad axe "Kosum" {antimagic,
                  | rC+}.
 22470 | D:14     | 22470 ||| SWAPPING to +6 heavy broad axe.
 22471 | D:14     | 22471 ||| SWAPPING to +9 broad axe "Kosum" {antimagic,
                  | rC+}.
 22472 | D:14     | 22472 ||| SWAPPING to +6 heavy broad axe.
 22473 | D:14     | 22473 ||| SWAPPING to +9 broad axe "Kosum" {antimagic,
                  | rC+}.
 22474 | D:14     | 22474 ||| SWAPPING to +6 heavy broad axe.
 22475 | D:14     | 22475 ||| SWAPPING to +9 broad axe "Kosum" {antimagic,
                  | rC+}.
 22476 | D:14     | 22476 ||| SWAPPING to +6 heavy broad axe.
 22477 | D:14     | 22477 ||| SWAPPING to +9 broad axe "Kosum" {antimagic,
                  | rC+}.
 22478 | D:14     | 22478 ||| SWAPPING to +6 heavy broad axe.
 22479 | D:14     | 22479 ||| SWAPPING to +9 broad axe "Kosum" {antimagic,
                  | rC+}.
 22480 | D:14     | 22480 ||| SWAPPING to +6 heavy broad axe.
 22481 | D:14     | 22481 ||| SWAPPING to +9 broad axe "Kosum" {antimagic,
                  | rC+}.
 22482 | D:14     | 22482 ||| SWAPPING to +6 heavy broad axe.
 22483 | D:14     | 22483 ||| SWAPPING to +9 broad axe "Kosum" {antimagic,
                  | rC+}.
 22484 | D:14     | 22484 ||| SWAPPING to +6 heavy broad axe.
 22485 | D:14     | 22485 ||| SWAPPING to +9 broad axe "Kosum" {antimagic,
                  | rC+}.
 22486 | D:14     | 22486 ||| SWAPPING to +6 heavy broad axe.
 22487 | D:14     | 22487 ||| SWAPPING to +9 broad axe "Kosum" {antimagic,
                  | rC+}.
 22488 | D:14     | 22488 ||| SWAPPING to +6 heavy broad axe.
 22489 | D:14     | 22489 ||| SWAPPING to +9 broad axe "Kosum" {antimagic,
                  | rC+}.
 22490 | D:14     | 22490 ||| SWAPPING to +6 heavy broad axe.
 22491 | D:14     | 22491 ||| SWAPPING to +9 broad axe "Kosum" {antimagic,
                  | rC+}.
 22492 | D:14     | 22492 ||| SWAPPING to +6 heavy broad axe.
 22493 | D:14     | 22493 ||| SWAPPING to +9 broad axe "Kosum" {antimagic,
                  | rC+}.
 22494 | D:14     | 22494 ||| SWAPPING to +6 heavy broad axe.
 22495 | D:14     | 22495 ||| SWAPPING to +9 broad axe "Kosum" {antimagic,
                  | rC+}.
 22496 | D:14     | 22496 ||| SWAPPING to +6 heavy broad axe.
 22497 | D:14     | 22497 ||| SWAPPING to +9 broad axe "Kosum" {antimagic,
                  | rC+}.
 22498 | D:14     | 22498 ||| SWAPPING to +6 heavy broad axe.
 22499 | D:14     | 22499 ||| SWAPPING to +9 broad axe "Kosum" {antimagic,
                  | rC+}.
 22500 | D:14     | 22500 ||| SWAPPING to +6 heavy broad axe.
 22501 | D:14     | 22501 ||| SWAPPING to +9 broad axe "Kosum" {antimagic,
                  | rC+}.
 22502 | D:14     | 22502 ||| SWAPPING to +6 heavy broad axe.
 22503 | D:14     | 22503 ||| SWAPPING to +9 broad axe "Kosum" {antimagic,
                  | rC+}.
 22504 | D:14     | 22504 ||| SWAPPING to +6 heavy broad axe.
 22505 | D:14     | 22505 ||| SWAPPING to +9 broad axe "Kosum" {antimagic,
                  | rC+}.
 22506 | D:14     | 22506 ||| SWAPPING to +6 heavy broad axe.
 22507 | D:14     | 22507 ||| SWAPPING to +9 broad axe "Kosum" {antimagic,
                  | rC+}.
 22508 | D:14     | 22508 ||| SWAPPING to +6 heavy broad axe.
 22509 | D:14     | 22509 ||| SWAPPING to +9 broad axe "Kosum" {antimagic,
                  | rC+}.
 22510 | D:14     | 22510 ||| SWAPPING to +6 heavy broad axe.
 22511 | D:14     | 22511 ||| SWAPPING to +9 broad axe "Kosum" {antimagic,
                  | rC+}.
 22512 | D:14     | 22512 ||| SWAPPING to +6 heavy broad axe.
 22513 | D:14     | 22513 ||| SWAPPING to +9 broad axe "Kosum" {antimagic,
                  | rC+}.
 22514 | D:14     | 22514 ||| SWAPPING to +6 heavy broad axe.
 22515 | D:14     | 22515 ||| SWAPPING to +9 broad axe "Kosum" {antimagic,
                  | rC+}.
 22516 | D:14     | 22516 ||| SWAPPING to +6 heavy broad axe.
 22517 | D:14     | 22517 ||| SWAPPING to +9 broad axe "Kosum" {antimagic,
                  | rC+}.
 22518 | D:14     | 22518 ||| SWAPPING to +6 heavy broad axe.
 22519 | D:14     | 22519 ||| SWAPPING to +9 broad axe "Kosum" {antimagic,
                  | rC+}.
 22520 | D:14     | 22520 ||| SWAPPING to +6 heavy broad axe.
 22521 | D:14     | 22521 ||| SWAPPING to +9 broad axe "Kosum" {antimagic,
                  | rC+}.
 22522 | D:14     | 22522 ||| SWAPPING to +6 heavy broad axe.
 22523 | D:14     | 22523 ||| SWAPPING to +9 broad axe "Kosum" {antimagic,
                  | rC+}.
 22524 | D:14     | 22524 ||| SWAPPING to +6 heavy broad axe.
 22525 | D:14     | 22525 ||| SWAPPING to +9 broad axe "Kosum" {antimagic,
                  | rC+}.
 22526 | D:14     | 22526 ||| SWAPPING to +6 heavy broad axe.
 22527 | D:14     | 22527 ||| SWAPPING to +9 broad axe "Kosum" {antimagic,
                  | rC+}.
 22528 | D:14     | 22528 ||| SWAPPING to +6 heavy broad axe.
 22529 | D:14     | 22529 ||| SWAPPING to +9 broad axe "Kosum" {antimagic,
                  | rC+}.
 22530 | D:14     | 22530 ||| SWAPPING to +6 heavy broad axe.
 22531 | D:14     | 22531 ||| SWAPPING to +9 broad axe "Kosum" {antimagic,
                  | rC+}.
 22532 | D:14     | 22532 ||| SWAPPING to +6 heavy broad axe.
 22533 | D:14     | 22533 ||| SWAPPING to +9 broad axe "Kosum" {antimagic,
                  | rC+}.
 22534 | D:14     | 22534 ||| SWAPPING to +6 heavy broad axe.
 22535 | D:14     | 22535 ||| SWAPPING to +9 broad axe "Kosum" {antimagic,
                  | rC+}.
 22536 | D:14     | 22536 ||| SWAPPING to +6 heavy broad axe.
 22537 | D:14     | 22537 ||| SWAPPING to +9 broad axe "Kosum" {antimagic,
                  | rC+}.
 22538 | D:14     | 22538 ||| SWAPPING to +6 heavy broad axe.
 22539 | D:14     | 22539 ||| SWAPPING to +9 broad axe "Kosum" {antimagic,
                  | rC+}.
 22540 | D:14     | 22540 ||| SWAPPING to +6 heavy broad axe.
 22541 | D:14     | 22541 ||| SWAPPING to +9 broad axe "Kosum" {antimagic,
                  | rC+}.
 22542 | D:14     | 22542 ||| SWAPPING to +6 heavy broad axe.
 22543 | D:14     | 22543 ||| SWAPPING to +9 broad axe "Kosum" {antimagic,
                  | rC+}.
 22544 | D:14     | 22544 ||| SWAPPING to +6 heavy broad axe.
 22545 | D:14     | 22545 ||| SWAPPING to +9 broad axe "Kosum" {antimagic,
                  | rC+}.
 22546 | D:14     | 22546 ||| SWAPPING to +6 heavy broad axe.
 22547 | D:14     | 22547 ||| SWAPPING to +9 broad axe "Kosum" {antimagic,
                  | rC+}.
 22548 | D:14     | 22548 ||| SWAPPING to +6 heavy broad axe.
 22549 | D:14     | 22549 ||| SWAPPING to +9 broad axe "Kosum" {antimagic,
                  | rC+}.
 22550 | D:14     | 22550 ||| SWAPPING to +6 heavy broad axe.
 22551 | D:14     | 22551 ||| SWAPPING to +9 broad axe "Kosum" {antimagic,
                  | rC+}.
 22552 | D:14     | 22552 ||| SWAPPING to +6 heavy broad axe.
 22553 | D:14     | 22553 ||| SWAPPING to +9 broad axe "Kosum" {antimagic,
                  | rC+}.
 22554 | D:14     | 22554 ||| SWAPPING to +6 heavy broad axe.
 22555 | D:14     | 22555 ||| SWAPPING to +9 broad axe "Kosum" {antimagic,
                  | rC+}.
 22556 | D:14     | 22556 ||| SWAPPING to +6 heavy broad axe.
 22557 | D:14     | 22557 ||| SWAPPING to +9 broad axe "Kosum" {antimagic,
                  | rC+}.
 22558 | D:14     | 22558 ||| SWAPPING to +6 heavy broad axe.
 22559 | D:14     | 22559 ||| SWAPPING to +9 broad axe "Kosum" {antimagic,
                  | rC+}.
 22560 | D:14     | 22560 ||| SWAPPING to +6 heavy broad axe.
 22561 | D:14     | 22561 ||| SWAPPING to +9 broad axe "Kosum" {antimagic,
                  | rC+}.
 22562 | D:14     | 22562 ||| SWAPPING to +6 heavy broad axe.
 22563 | D:14     | 22563 ||| SWAPPING to +9 broad axe "Kosum" {antimagic,
                  | rC+}.
 22564 | D:14     | 22564 ||| SWAPPING to +6 heavy broad axe.
 22565 | D:14     | 22565 ||| SWAPPING to +9 broad axe "Kosum" {antimagic,
                  | rC+}.
 22566 | D:14     | 22566 ||| SWAPPING to +6 heavy broad axe.
 22567 | D:14     | 22567 ||| SWAPPING to +9 broad axe "Kosum" {antimagic,
                  | rC+}.
 22568 | D:14     | 22568 ||| SWAPPING to +6 heavy broad axe.
 22569 | D:14     | 22569 ||| SWAPPING to +9 broad axe "Kosum" {antimagic,
                  | rC+}.
 22570 | D:14     | 22570 ||| SWAPPING to +6 heavy broad axe.
 22571 | D:14     | 22571 ||| SWAPPING to +9 broad axe "Kosum" {antimagic,
                  | rC+}.
 22572 | D:14     | 22572 ||| SWAPPING to +6 heavy broad axe.
 22573 | D:14     | 22573 ||| SWAPPING to +9 broad axe "Kosum" {antimagic,
                  | rC+}.
 22574 | D:14     | 22574 ||| SWAPPING to +6 heavy broad axe.
 22575 | D:14     | 22575 ||| SWAPPING to +9 broad axe "Kosum" {antimagic,
                  | rC+}.
 22576 | D:14     | 22576 ||| SWAPPING to +6 heavy broad axe.
 22577 | D:14     | 22577 ||| SWAPPING to +9 broad axe "Kosum" {antimagic,
                  | rC+}.
 22578 | D:14     | 22578 ||| SWAPPING to +6 heavy broad axe.
 22579 | D:14     | 22579 ||| SWAPPING to +9 broad axe "Kosum" {antimagic,
                  | rC+}.
 22580 | D:14     | 22580 ||| SWAPPING to +6 heavy broad axe.
 22581 | D:14     | 22581 ||| SWAPPING to +9 broad axe "Kosum" {antimagic,
                  | rC+}.
 22582 | D:14     | 22582 ||| SWAPPING to +6 heavy broad axe.
 22583 | D:14     | 22583 ||| SWAPPING to +9 broad axe "Kosum" {antimagic,
                  | rC+}.
 22584 | D:14     | 22584 ||| SWAPPING to +6 heavy broad axe.
 22585 | D:14     | 22585 ||| SWAPPING to +9 broad axe "Kosum" {antimagic,
                  | rC+}.
 22586 | D:14     | 22586 ||| SWAPPING to +6 heavy broad axe.
 22587 | D:14     | 22587 ||| SWAPPING to +9 broad axe "Kosum" {antimagic,
                  | rC+}.
 22588 | D:14     | 22588 ||| SWAPPING to +6 heavy broad axe.
 22589 | D:14     | 22589 ||| SWAPPING to +9 broad axe "Kosum" {antimagic,
                  | rC+}.
 22590 | D:14     | 22590 ||| SWAPPING to +6 heavy broad axe.
 22591 | D:14     | 22591 ||| SWAPPING to +9 broad axe "Kosum" {antimagic,
                  | rC+}.
 22592 | D:14     | 22592 ||| SWAPPING to +6 heavy broad axe.
 22593 | D:14     | 22593 ||| SWAPPING to +9 broad axe "Kosum" {antimagic,
                  | rC+}.
 22594 | D:14     | 22594 ||| SWAPPING to +6 heavy broad axe.
 22595 | D:14     | 22595 ||| SWAPPING to +9 broad axe "Kosum" {antimagic,
                  | rC+}.
 22596 | D:14     | 22596 ||| SWAPPING to +6 heavy broad axe.
 22597 | D:14     | 22597 ||| SWAPPING to +9 broad axe "Kosum" {antimagic,
                  | rC+}.
 22598 | D:14     | 22598 ||| SWAPPING to +6 heavy broad axe.
 22599 | D:14     | 22599 ||| SWAPPING to +9 broad axe "Kosum" {antimagic,
                  | rC+}.
 22600 | D:14     | 22600 ||| SWAPPING to +6 heavy broad axe.
 22601 | D:14     | 22601 ||| SWAPPING to +9 broad axe "Kosum" {antimagic,
                  | rC+}.
 22602 | D:14     | 22602 ||| SWAPPING to +6 heavy broad axe.
 22603 | D:14     | 22603 ||| SWAPPING to +9 broad axe "Kosum" {antimagic,
                  | rC+}.
 22604 | D:14     | 22604 ||| SWAPPING to +6 heavy broad axe.
 22605 | D:14     | 22605 ||| SWAPPING to +9 broad axe "Kosum" {antimagic,
                  | rC+}.
 22606 | D:14     | 22606 ||| SWAPPING to +6 heavy broad axe.
 22607 | D:14     | 22607 ||| SWAPPING to +9 broad axe "Kosum" {antimagic,
                  | rC+}.
 22608 | D:14     | 22608 ||| SWAPPING to +6 heavy broad axe.
 22609 | D:14     | 22609 ||| SWAPPING to +9 broad axe "Kosum" {antimagic,
                  | rC+}.
 22610 | D:14     | 22610 ||| SWAPPING to +6 heavy broad axe.
 22611 | D:14     | 22611 ||| SWAPPING to +9 broad axe "Kosum" {antimagic,
                  | rC+}.
 22612 | D:14     | 22612 ||| SWAPPING to +6 heavy broad axe.
 22613 | D:14     | 22613 ||| SWAPPING to +9 broad axe "Kosum" {antimagic,
                  | rC+}.
 22614 | D:14     | 22614 ||| SWAPPING to +6 heavy broad axe.
 22615 | D:14     | 22615 ||| SWAPPING to +9 broad axe "Kosum" {antimagic,
                  | rC+}.
 22616 | D:14     | 22616 ||| SWAPPING to +6 heavy broad axe.
 22617 | D:14     | 22617 ||| SWAPPING to +9 broad axe "Kosum" {antimagic,
                  | rC+}.
 22618 | D:14     | 22618 ||| SWAPPING to +6 heavy broad axe.
 22619 | D:14     | 22619 ||| SWAPPING to +9 broad axe "Kosum" {antimagic,
                  | rC+}.
 22620 | D:14     | 22620 ||| SWAPPING to +6 heavy broad axe.
 22621 | D:14     | 22621 ||| SWAPPING to +9 broad axe "Kosum" {antimagic,
                  | rC+}.
 22622 | D:14     | 22622 ||| SWAPPING to +6 heavy broad axe.
 22623 | D:14     | 22623 ||| SWAPPING to +9 broad axe "Kosum" {antimagic,
                  | rC+}.
 22624 | D:14     | 22624 ||| SWAPPING to +6 heavy broad axe.
 22625 | D:14     | 22625 ||| SWAPPING to +9 broad axe "Kosum" {antimagic,
                  | rC+}.
 22626 | D:14     | 22626 ||| SWAPPING to +6 heavy broad axe.
 22627 | D:14     | 22627 ||| SWAPPING to +9 broad axe "Kosum" {antimagic,
                  | rC+}.
 22628 | D:14     | 22628 ||| SWAPPING to +6 heavy broad axe.
 22629 | D:14     | 22629 ||| SWAPPING to +9 broad axe "Kosum" {antimagic,
                  | rC+}.
 22630 | D:14     | 22630 ||| SWAPPING to +6 heavy broad axe.
 22631 | D:14     | 22631 ||| SWAPPING to +9 broad axe "Kosum" {antimagic,
                  | rC+}.
 22632 | D:14     | 22632 ||| SWAPPING to +6 heavy broad axe.
 22633 | D:14     | 22633 ||| SWAPPING to +9 broad axe "Kosum" {antimagic,
                  | rC+}.
 22634 | D:14     | 22634 ||| SWAPPING to +6 heavy broad axe.
 22635 | D:14     | 22635 ||| SWAPPING to +9 broad axe "Kosum" {antimagic,
                  | rC+}.
 22636 | D:14     | 22636 ||| SWAPPING to +6 heavy broad axe.
 22637 | D:14     | 22637 ||| SWAPPING to +9 broad axe "Kosum" {antimagic,
                  | rC+}.
 22638 | D:14     | 22638 ||| SWAPPING to +6 heavy broad axe.
 22639 | D:14     | 22639 ||| SWAPPING to +9 broad axe "Kosum" {antimagic,
                  | rC+}.
 22640 | D:14     | 22640 ||| SWAPPING to +6 heavy broad axe.
 22641 | D:14     | 22641 ||| SWAPPING to +9 broad axe "Kosum" {antimagic,
                  | rC+}.
 22642 | D:14     | 22642 ||| SWAPPING to +6 heavy broad axe.
 22643 | D:14     | 22643 ||| SWAPPING to +9 broad axe "Kosum" {antimagic,
                  | rC+}.
 22644 | D:14     | 22644 ||| SWAPPING to +6 heavy broad axe.
 22645 | D:14     | 22645 ||| SWAPPING to +9 broad axe "Kosum" {antimagic,
                  | rC+}.
 22646 | D:14     | 22646 ||| SWAPPING to +6 heavy broad axe.
 22647 | D:14     | 22647 ||| SWAPPING to +9 broad axe "Kosum" {antimagic,
                  | rC+}.
 22648 | D:14     | 22648 ||| SWAPPING to +6 heavy broad axe.
 22649 | D:14     | 22649 ||| SWAPPING to +9 broad axe "Kosum" {antimagic,
                  | rC+}.
 22650 | D:14     | 22650 ||| SWAPPING to +6 heavy broad axe.
 22651 | D:14     | 22651 ||| SWAPPING to +9 broad axe "Kosum" {antimagic,
                  | rC+}.
 22652 | D:14     | 22652 ||| SWAPPING to +6 heavy broad axe.
 22653 | D:14     | 22653 ||| SWAPPING to +9 broad axe "Kosum" {antimagic,
                  | rC+}.
 22654 | D:14     | 22654 ||| SWAPPING to +6 heavy broad axe.
 22655 | D:14     | 22655 ||| SWAPPING to +9 broad axe "Kosum" {antimagic,
                  | rC+}.
 22656 | D:14     | 22656 ||| SWAPPING to +6 heavy broad axe.
 22657 | D:14     | 22657 ||| SWAPPING to +9 broad axe "Kosum" {antimagic,
                  | rC+}.
 22658 | D:14     | 22658 ||| SWAPPING to +6 heavy broad axe.
 22659 | D:14     | 22659 ||| SWAPPING to +9 broad axe "Kosum" {antimagic,
                  | rC+}.
 22660 | D:14     | 22660 ||| SWAPPING to +6 heavy broad axe.
 22661 | D:14     | 22661 ||| SWAPPING to +9 broad axe "Kosum" {antimagic,
                  | rC+}.
 22662 | D:14     | 22662 ||| SWAPPING to +6 heavy broad axe.
 22663 | D:14     | 22663 ||| SWAPPING to +9 broad axe "Kosum" {antimagic,
                  | rC+}.
 22664 | D:14     | 22664 ||| SWAPPING to +6 heavy broad axe.
 22665 | D:14     | 22665 ||| SWAPPING to +9 broad axe "Kosum" {antimagic,
                  | rC+}.
 22666 | D:14     | 22666 ||| SWAPPING to +6 heavy broad axe.
 22667 | D:14     | 22667 ||| SWAPPING to +9 broad axe "Kosum" {antimagic,
                  | rC+}.
 22668 | D:14     | 22668 ||| SWAPPING to +6 heavy broad axe.
 22669 | D:14     | 22669 ||| SWAPPING to +9 broad axe "Kosum" {antimagic,
                  | rC+}.
 22670 | D:14     | 22670 ||| SWAPPING to +6 heavy broad axe.
 22671 | D:14     | 22671 ||| SWAPPING to +9 broad axe "Kosum" {antimagic,
                  | rC+}.
 22672 | D:14     | 22672 ||| SWAPPING to +6 heavy broad axe.
 22673 | D:14     | 22673 ||| SWAPPING to +9 broad axe "Kosum" {antimagic,
                  | rC+}.
 22674 | D:14     | 22674 ||| SWAPPING to +6 heavy broad axe.
 22675 | D:14     | 22675 ||| SWAPPING to +9 broad axe "Kosum" {antimagic,
                  | rC+}.
 22676 | D:14     | 22676 ||| SWAPPING to +6 heavy broad axe.
 22677 | D:14     | 22677 ||| SWAPPING to +9 broad axe "Kosum" {antimagic,
                  | rC+}.
 22678 | D:14     | 22678 ||| SWAPPING to +6 heavy broad axe.
 22679 | D:14     | 22679 ||| SWAPPING to +9 broad axe "Kosum" {antimagic,
                  | rC+}.
 22680 | D:14     | 22680 ||| SWAPPING to +6 heavy broad axe.
 22681 | D:14     | 22681 ||| SWAPPING to +9 broad axe "Kosum" {antimagic,
                  | rC+}.
 22682 | D:14     | 22682 ||| SWAPPING to +6 heavy broad axe.
 22683 | D:14     | 22683 ||| SWAPPING to +9 broad axe "Kosum" {antimagic,
                  | rC+}.
 22684 | D:14     | 22684 ||| SWAPPING to +6 heavy broad axe.
 22685 | D:14     | 22685 ||| SWAPPING to +9 broad axe "Kosum" {antimagic,
                  | rC+}.
 22686 | D:14     | 22686 ||| SWAPPING to +6 heavy broad axe.
 22687 | D:14     | 22687 ||| SWAPPING to +9 broad axe "Kosum" {antimagic,
                  | rC+}.
 22688 | D:14     | 22688 ||| SWAPPING to +6 heavy broad axe.
 22689 | D:14     | 22689 ||| SWAPPING to +9 broad axe "Kosum" {antimagic,
                  | rC+}.
 22690 | D:14     | 22690 ||| SWAPPING to +6 heavy broad axe.
 22691 | D:14     | 22691 ||| SWAPPING to +9 broad axe "Kosum" {antimagic,
                  | rC+}.
 22692 | D:14     | 22692 ||| SWAPPING to +6 heavy broad axe.
 22693 | D:14     | 22693 ||| SWAPPING to +9 broad axe "Kosum" {antimagic,
                  | rC+}.
 22694 | D:14     | 22694 ||| SWAPPING to +6 heavy broad axe.
 22695 | D:14     | 22695 ||| SWAPPING to +9 broad axe "Kosum" {antimagic,
                  | rC+}.
 22696 | D:14     | 22696 ||| SWAPPING to +6 heavy broad axe.
 22697 | D:14     | 22697 ||| SWAPPING to +9 broad axe "Kosum" {antimagic,
                  | rC+}.
 22698 | D:14     | 22698 ||| SWAPPING to +6 heavy broad axe.
 22699 | D:14     | 22699 ||| SWAPPING to +9 broad axe "Kosum" {antimagic,
                  | rC+}.
 22700 | D:14     | 22700 ||| SWAPPING to +6 heavy broad axe.
 22701 | D:14     | 22701 ||| SWAPPING to +9 broad axe "Kosum" {antimagic,
                  | rC+}.
 22702 | D:14     | 22702 ||| SWAPPING to +6 heavy broad axe.
 22703 | D:14     | 22703 ||| SWAPPING to +9 broad axe "Kosum" {antimagic,
                  | rC+}.
 22704 | D:14     | 22704 ||| SWAPPING to +6 heavy broad axe.
 22705 | D:14     | 22705 ||| SWAPPING to +9 broad axe "Kosum" {antimagic,
                  | rC+}.
 22706 | D:14     | 22706 ||| SWAPPING to +6 heavy broad axe.
 22707 | D:14     | 22707 ||| SWAPPING to +9 broad axe "Kosum" {antimagic,
                  | rC+}.
 22708 | D:14     | 22708 ||| SWAPPING to +6 heavy broad axe.
 22709 | D:14     | 22709 ||| SWAPPING to +9 broad axe "Kosum" {antimagic,
                  | rC+}.
 22710 | D:14     | 22710 ||| SWAPPING to +6 heavy broad axe.
 22711 | D:14     | 22711 ||| SWAPPING to +9 broad axe "Kosum" {antimagic,
                  | rC+}.
 22712 | D:14     | 22712 ||| SWAPPING to +6 heavy broad axe.
 22713 | D:14     | 22713 ||| SWAPPING to +9 broad axe "Kosum" {antimagic,
                  | rC+}.
 22714 | D:14     | 22714 ||| SWAPPING to +6 heavy broad axe.
 22715 | D:14     | 22715 ||| SWAPPING to +9 broad axe "Kosum" {antimagic,
                  | rC+}.
 22716 | D:14     | 22716 ||| SWAPPING to +6 heavy broad axe.
 22717 | D:14     | 22717 ||| SWAPPING to +9 broad axe "Kosum" {antimagic,
                  | rC+}.
 22718 | D:14     | 22718 ||| SWAPPING to +6 heavy broad axe.
 22719 | D:14     | 22719 ||| SWAPPING to +9 broad axe "Kosum" {antimagic,
                  | rC+}.
 22720 | D:14     | 22720 ||| SWAPPING to +6 heavy broad axe.
 22721 | D:14     | 22721 ||| SWAPPING to +9 broad axe "Kosum" {antimagic,
                  | rC+}.
 22722 | D:14     | 22722 ||| SWAPPING to +6 heavy broad axe.
 22723 | D:14     | 22723 ||| SWAPPING to +9 broad axe "Kosum" {antimagic,
                  | rC+}.
 22724 | D:14     | 22724 ||| SWAPPING to +6 heavy broad axe.
 22725 | D:14     | 22725 ||| SWAPPING to +9 broad axe "Kosum" {antimagic,
                  | rC+}.
 22726 | D:14     | 22726 ||| SWAPPING to +6 heavy broad axe.
 22727 | D:14     | 22727 ||| SWAPPING to +9 broad axe "Kosum" {antimagic,
                  | rC+}.
 22728 | D:14     | 22728 ||| SWAPPING to +6 heavy broad axe.
 22729 | D:14     | 22729 ||| SWAPPING to +9 broad axe "Kosum" {antimagic,
                  | rC+}.
 22730 | D:14     | 22730 ||| SWAPPING to +6 heavy broad axe.
 22731 | D:14     | 22731 ||| SWAPPING to +9 broad axe "Kosum" {antimagic,
                  | rC+}.
 22732 | D:14     | 22732 ||| SWAPPING to +6 heavy broad axe.
 22733 | D:14     | 22733 ||| SWAPPING to +9 broad axe "Kosum" {antimagic,
                  | rC+}.
 22734 | D:14     | 22734 ||| SWAPPING to +6 heavy broad axe.
 22735 | D:14     | 22735 ||| SWAPPING to +9 broad axe "Kosum" {antimagic,
                  | rC+}.
 22736 | D:14     | 22736 ||| SWAPPING to +6 heavy broad axe.
 22737 | D:14     | 22737 ||| SWAPPING to +9 broad axe "Kosum" {antimagic,
                  | rC+}.
 22738 | D:14     | 22738 ||| SWAPPING to +6 heavy broad axe.
 22739 | D:14     | 22739 ||| SWAPPING to +9 broad axe "Kosum" {antimagic,
                  | rC+}.
 22740 | D:14     | 22740 ||| SWAPPING to +6 heavy broad axe.
 22741 | D:14     | 22741 ||| SWAPPING to +9 broad axe "Kosum" {antimagic,
                  | rC+}.
 22742 | D:14     | 22742 ||| SWAPPING to +6 heavy broad axe.
 22743 | D:14     | 22743 ||| SWAPPING to +9 broad axe "Kosum" {antimagic,
                  | rC+}.
 22744 | D:14     | 22744 ||| SWAPPING to +6 heavy broad axe.
 22745 | D:14     | 22745 ||| SWAPPING to +9 broad axe "Kosum" {antimagic,
                  | rC+}.
 22746 | D:14     | 22746 ||| SWAPPING to +6 heavy broad axe.
 22747 | D:14     | 22747 ||| SWAPPING to +9 broad axe "Kosum" {antimagic,
                  | rC+}.
 22748 | D:14     | 22748 ||| SWAPPING to +6 heavy broad axe.
 22749 | D:14     | 22749 ||| SWAPPING to +9 broad axe "Kosum" {antimagic,
                  | rC+}.
 22750 | D:14     | 22750 ||| SWAPPING to +6 heavy broad axe.
 22751 | D:14     | 22751 ||| SWAPPING to +9 broad axe "Kosum" {antimagic,
                  | rC+}.
 22752 | D:14     | 22752 ||| SWAPPING to +6 heavy broad axe.
 22753 | D:14     | 22753 ||| SWAPPING to +9 broad axe "Kosum" {antimagic,
                  | rC+}.
 22754 | D:14     | 22754 ||| SWAPPING to +6 heavy broad axe.
 22755 | D:14     | 22755 ||| SWAPPING to +9 broad axe "Kosum" {antimagic,
                  | rC+}.
 22756 | D:14     | 22756 ||| SWAPPING to +6 heavy broad axe.
 22757 | D:14     | 22757 ||| SWAPPING to +9 broad axe "Kosum" {antimagic,
                  | rC+}.
 22758 | D:14     | 22758 ||| SWAPPING to +6 heavy broad axe.
 22759 | D:14     | 22759 ||| SWAPPING to +9 broad axe "Kosum" {antimagic,
                  | rC+}.
 22760 | D:14     | 22760 ||| SWAPPING to +6 heavy broad axe.
 22761 | D:14     | 22761 ||| SWAPPING to +9 broad axe "Kosum" {antimagic,
                  | rC+}.
 22762 | D:14     | 22762 ||| SWAPPING to +6 heavy broad axe.
 22763 | D:14     | 22763 ||| SWAPPING to +9 broad axe "Kosum" {antimagic,
                  | rC+}.
 22764 | D:14     | 22764 ||| SWAPPING to +6 heavy broad axe.
 22765 | D:14     | 22765 ||| SWAPPING to +9 broad axe "Kosum" {antimagic,
                  | rC+}.
 22766 | D:14     | 22766 ||| SWAPPING to +6 heavy broad axe.
 22767 | D:14     | 22767 ||| SWAPPING to +9 broad axe "Kosum" {antimagic,
                  | rC+}.
 22768 | D:14     | 22768 ||| SWAPPING to +6 heavy broad axe.
 22769 | D:14     | 22769 ||| SWAPPING to +9 broad axe "Kosum" {antimagic,
                  | rC+}.
 22770 | D:14     | 22770 ||| SWAPPING to +6 heavy broad axe.
 22771 | D:14     | 22771 ||| SWAPPING to +9 broad axe "Kosum" {antimagic,
                  | rC+}.
 22772 | D:14     | 22772 ||| SWAPPING to +6 heavy broad axe.
 22773 | D:14     | 22773 ||| SWAPPING to +9 broad axe "Kosum" {antimagic,
                  | rC+}.
 22774 | D:14     | 22774 ||| SWAPPING to +6 heavy broad axe.
 22775 | D:14     | 22775 ||| SWAPPING to +9 broad axe "Kosum" {antimagic,
                  | rC+}.
 22776 | D:14     | 22776 ||| SWAPPING to +6 heavy broad axe.
 22777 | D:14     | 22777 ||| SWAPPING to +9 broad axe "Kosum" {antimagic,
                  | rC+}.
 22778 | D:14     | 22778 ||| SWAPPING to +6 heavy broad axe.
 22779 | D:14     | 22779 ||| SWAPPING to +9 broad axe "Kosum" {antimagic,
                  | rC+}.
 22780 | D:14     | 22780 ||| SWAPPING to +6 heavy broad axe.
 22781 | D:14     | 22781 ||| SWAPPING to +9 broad axe "Kosum" {antimagic,
                  | rC+}.
 22782 | D:14     | 22782 ||| SWAPPING to +6 heavy broad axe.
 22783 | D:14     | 22783 ||| SWAPPING to +9 broad axe "Kosum" {antimagic,
                  | rC+}.
 22784 | D:14     | 22784 ||| SWAPPING to +6 heavy broad axe.
 22785 | D:14     | 22785 ||| SWAPPING to +9 broad axe "Kosum" {antimagic,
                  | rC+}.
 22786 | D:14     | 22786 ||| SWAPPING to +6 heavy broad axe.
 22787 | D:14     | 22787 ||| SWAPPING to +9 broad axe "Kosum" {antimagic,
                  | rC+}.
 22788 | D:14     | 22788 ||| SWAPPING to +6 heavy broad axe.
 22789 | D:14     | 22789 ||| SWAPPING to +9 broad axe "Kosum" {antimagic,
                  | rC+}.
 22790 | D:14     | 22790 ||| SWAPPING to +6 heavy broad axe.
 22791 | D:14     | 22791 ||| SWAPPING to +9 broad axe "Kosum" {antimagic,
                  | rC+}.
 22792 | D:14     | 22792 ||| SWAPPING to +6 heavy broad axe.
 22793 | D:14     | 22793 ||| SWAPPING to +9 broad axe "Kosum" {antimagic,
                  | rC+}.
 22794 | D:14     | 22794 ||| SWAPPING to +6 heavy broad axe.
 22795 | D:14     | 22795 ||| SWAPPING to +9 broad axe "Kosum" {antimagic,
                  | rC+}.
 22796 | D:14     | 22796 ||| SWAPPING to +6 heavy broad axe.
 22797 | D:14     | 22797 ||| SWAPPING to +9 broad axe "Kosum" {antimagic,
                  | rC+}.
 22798 | D:14     | 22798 ||| SWAPPING to +6 heavy broad axe.
 22799 | D:14     | 22799 ||| SWAPPING to +9 broad axe "Kosum" {antimagic,
                  | rC+}.
 22800 | D:14     | 22800 ||| SWAPPING to +6 heavy broad axe.
 22801 | D:14     | 22801 ||| SWAPPING to +9 broad axe "Kosum" {antimagic,
                  | rC+}.
 22802 | D:14     | 22802 ||| SWAPPING to +6 heavy broad axe.
 22803 | D:14     | 22803 ||| SWAPPING to +9 broad axe "Kosum" {antimagic,
                  | rC+}.
 22804 | D:14     | 22804 ||| SWAPPING to +6 heavy broad axe.
 22805 | D:14     | 22805 ||| SWAPPING to +9 broad axe "Kosum" {antimagic,
                  | rC+}.
 22806 | D:14     | 22806 ||| SWAPPING to +6 heavy broad axe.
 22807 | D:14     | 22807 ||| SWAPPING to +9 broad axe "Kosum" {antimagic,
                  | rC+}.
 22808 | D:14     | 22808 ||| SWAPPING to +6 heavy broad axe.
 22809 | D:14     | 22809 ||| SWAPPING to +9 broad axe "Kosum" {antimagic,
                  | rC+}.
 22810 | D:14     | 22810 ||| SWAPPING to +6 heavy broad axe.
 22811 | D:14     | 22811 ||| SWAPPING to +9 broad axe "Kosum" {antimagic,
                  | rC+}.
 22812 | D:14     | 22812 ||| SWAPPING to +6 heavy broad axe.
 22813 | D:14     | 22813 ||| SWAPPING to +9 broad axe "Kosum" {antimagic,
                  | rC+}.
 22814 | D:14     | 22814 ||| SWAPPING to +6 heavy broad axe.
 22815 | D:14     | 22815 ||| SWAPPING to +9 broad axe "Kosum" {antimagic,
                  | rC+}.
 22816 | D:14     | 22816 ||| SWAPPING to +6 heavy broad axe.
 22817 | D:14     | 22817 ||| SWAPPING to +9 broad axe "Kosum" {antimagic,
                  | rC+}.
 22818 | D:14     | 22818 ||| SWAPPING to +6 heavy broad axe.
 22819 | D:14     | 22819 ||| SWAPPING to +9 broad axe "Kosum" {antimagic,
                  | rC+}.
 22820 | D:14     | 22820 ||| SWAPPING to +6 heavy broad axe.
 22821 | D:14     | 22821 ||| SWAPPING to +9 broad axe "Kosum" {antimagic,
                  | rC+}.
 22822 | D:14     | 22822 ||| SWAPPING to +6 heavy broad axe.
 22823 | D:14     | 22823 ||| SWAPPING to +9 broad axe "Kosum" {antimagic,
                  | rC+}.
 22824 | D:14     | 22824 ||| SWAPPING to +6 heavy broad axe.
 22825 | D:14     | 22825 ||| SWAPPING to +9 broad axe "Kosum" {antimagic,
                  | rC+}.
 22826 | D:14     | 22826 ||| SWAPPING to +6 heavy broad axe.
 22827 | D:14     | 22827 ||| SWAPPING to +9 broad axe "Kosum" {antimagic,
                  | rC+}.
 22828 | D:14     | 22828 ||| SWAPPING to +6 heavy broad axe.
 22829 | D:14     | 22829 ||| SWAPPING to +9 broad axe "Kosum" {antimagic,
                  | rC+}.
 22830 | D:14     | 22830 ||| SWAPPING to +6 heavy broad axe.
 22831 | D:14     | 22831 ||| SWAPPING to +9 broad axe "Kosum" {antimagic,
                  | rC+}.
 22832 | D:14     | 22832 ||| SWAPPING to +6 heavy broad axe.
 22833 | D:14     | 22833 ||| SWAPPING to +9 broad axe "Kosum" {antimagic,
                  | rC+}.
 22834 | D:14     | 22834 ||| SWAPPING to +6 heavy broad axe.
 22835 | D:14     | 22835 ||| SWAPPING to +9 broad axe "Kosum" {antimagic,
                  | rC+}.
 22836 | D:14     | 22836 ||| SWAPPING to +6 heavy broad axe.
 22837 | D:14     | 22837 ||| SWAPPING to +9 broad axe "Kosum" {antimagic,
                  | rC+}.
 22838 | D:14     | 22838 ||| SWAPPING to +6 heavy broad axe.
 22839 | D:14     | 22839 ||| SWAPPING to +9 broad axe "Kosum" {antimagic,
                  | rC+}.
 22840 | D:14     | 22840 ||| SWAPPING to +6 heavy broad axe.
 22841 | D:14     | 22841 ||| SWAPPING to +9 broad axe "Kosum" {antimagic,
                  | rC+}.
 22842 | D:14     | 22842 ||| SWAPPING to +6 heavy broad axe.
 22843 | D:14     | 22843 ||| SWAPPING to +9 broad axe "Kosum" {antimagic,
                  | rC+}.
 22844 | D:14     | 22844 ||| SWAPPING to +6 heavy broad axe.
 22845 | D:14     | 22845 ||| SWAPPING to +9 broad axe "Kosum" {antimagic,
                  | rC+}.
 22846 | D:14     | 22846 ||| SWAPPING to +6 heavy broad axe.
 22847 | D:14     | 22847 ||| SWAPPING to +9 broad axe "Kosum" {antimagic,
                  | rC+}.
 22848 | D:14     | 22848 ||| SWAPPING to +6 heavy broad axe.
 22849 | D:14     | 22849 ||| SWAPPING to +9 broad axe "Kosum" {antimagic,
                  | rC+}.
 22850 | D:14     | 22850 ||| SWAPPING to +6 heavy broad axe.
 22851 | D:14     | 22851 ||| SWAPPING to +9 broad axe "Kosum" {antimagic,
                  | rC+}.
 22852 | D:14     | 22852 ||| SWAPPING to +6 heavy broad axe.
 22853 | D:14     | 22853 ||| SWAPPING to +9 broad axe "Kosum" {antimagic,
                  | rC+}.
 22854 | D:14     | 22854 ||| SWAPPING to +6 heavy broad axe.
 22855 | D:14     | 22855 ||| SWAPPING to +9 broad axe "Kosum" {antimagic,
                  | rC+}.
 22856 | D:14     | 22856 ||| SWAPPING to +6 heavy broad axe.
 22857 | D:14     | 22857 ||| SWAPPING to +9 broad axe "Kosum" {antimagic,
                  | rC+}.
 22858 | D:14     | 22858 ||| SWAPPING to +6 heavy broad axe.
 22859 | D:14     | 22859 ||| SWAPPING to +9 broad axe "Kosum" {antimagic,
                  | rC+}.
 22860 | D:14     | 22860 ||| SWAPPING to +6 heavy broad axe.
 22861 | D:14     | 22861 ||| SWAPPING to +9 broad axe "Kosum" {antimagic,
                  | rC+}.
 22862 | D:14     | 22862 ||| SWAPPING to +6 heavy broad axe.
 22863 | D:14     | 22863 ||| SWAPPING to +9 broad axe "Kosum" {antimagic,
                  | rC+}.
 22864 | D:14     | 22864 ||| SWAPPING to +6 heavy broad axe.
 22865 | D:14     | 22865 ||| SWAPPING to +9 broad axe "Kosum" {antimagic,
                  | rC+}.
 22866 | D:14     | 22866 ||| SWAPPING to +6 heavy broad axe.
 22867 | D:14     | 22867 ||| SWAPPING to +9 broad axe "Kosum" {antimagic,
                  | rC+}.
 22868 | D:14     | 22868 ||| SWAPPING to +6 heavy broad axe.
 22869 | D:14     | 22869 ||| SWAPPING to +9 broad axe "Kosum" {antimagic,
                  | rC+}.
 22870 | D:14     | 22870 ||| SWAPPING to +6 heavy broad axe.
 22871 | D:14     | 22871 ||| SWAPPING to +9 broad axe "Kosum" {antimagic,
                  | rC+}.
 22872 | D:14     | 22872 ||| SWAPPING to +6 heavy broad axe.
 22873 | D:14     | 22873 ||| SWAPPING to +9 broad axe "Kosum" {antimagic,
                  | rC+}.
 22874 | D:14     | 22874 ||| SWAPPING to +6 heavy broad axe.
 22875 | D:14     | 22875 ||| SWAPPING to +9 broad axe "Kosum" {antimagic,
                  | rC+}.
 22876 | D:14     | 22876 ||| SWAPPING to +6 heavy broad axe.
 22877 | D:14     | 22877 ||| SWAPPING to +9 broad axe "Kosum" {antimagic,
                  | rC+}.
 22878 | D:14     | 22878 ||| SWAPPING to +6 heavy broad axe.
 22879 | D:14     | 22879 ||| SWAPPING to +9 broad axe "Kosum" {antimagic,
                  | rC+}.
 22880 | D:14     | 22880 ||| SWAPPING to +6 heavy broad axe.
 22881 | D:14     | 22881 ||| SWAPPING to +9 broad axe "Kosum" {antimagic,
                  | rC+}.
 22882 | D:14     | 22882 ||| SWAPPING to +6 heavy broad axe.
 22883 | D:14     | 22883 ||| SWAPPING to +9 broad axe "Kosum" {antimagic,
                  | rC+}.
 22884 | D:14     | 22884 ||| SWAPPING to +6 heavy broad axe.
 22885 | D:14     | 22885 ||| SWAPPING to +9 broad axe "Kosum" {antimagic,
                  | rC+}.
 22886 | D:14     | 22886 ||| SWAPPING to +6 heavy broad axe.
 22887 | D:14     | 22887 ||| SWAPPING to +9 broad axe "Kosum" {antimagic,
                  | rC+}.
 22888 | D:14     | 22888 ||| SWAPPING to +6 heavy broad axe.
 22889 | D:14     | 22889 ||| SWAPPING to +9 broad axe "Kosum" {antimagic,
                  | rC+}.
 22890 | D:14     | 22890 ||| SWAPPING to +6 heavy broad axe.
 22891 | D:14     | 22891 ||| SWAPPING to +9 broad axe "Kosum" {antimagic,
                  | rC+}.
 22892 | D:14     | 22892 ||| SWAPPING to +6 heavy broad axe.
 22893 | D:14     | 22893 ||| SWAPPING to +9 broad axe "Kosum" {antimagic,
                  | rC+}.
 22894 | D:14     | 22894 ||| SWAPPING to +6 heavy broad axe.
 22895 | D:14     | 22895 ||| SWAPPING to +9 broad axe "Kosum" {antimagic,
                  | rC+}.
 22896 | D:14     | 22896 ||| SWAPPING to +6 heavy broad axe.
 22897 | D:14     | 22897 ||| SWAPPING to +9 broad axe "Kosum" {antimagic,
                  | rC+}.
 22898 | D:14     | 22898 ||| SWAPPING to +6 heavy broad axe.
 22899 | D:14     | 22899 ||| SWAPPING to +9 broad axe "Kosum" {antimagic,
                  | rC+}.
 22900 | D:14     | 22900 ||| SWAPPING to +6 heavy broad axe.
 22901 | D:14     | 22901 ||| SWAPPING to +9 broad axe "Kosum" {antimagic,
                  | rC+}.
 22902 | D:14     | 22902 ||| SWAPPING to +6 heavy broad axe.
 22903 | D:14     | 22903 ||| SWAPPING to +9 broad axe "Kosum" {antimagic,
                  | rC+}.
 22904 | D:14     | 22904 ||| SWAPPING to +6 heavy broad axe.
 22905 | D:14     | 22905 ||| SWAPPING to +9 broad axe "Kosum" {antimagic,
                  | rC+}.
 22906 | D:14     | 22906 ||| SWAPPING to +6 heavy broad axe.
 22907 | D:14     | 22907 ||| SWAPPING to +9 broad axe "Kosum" {antimagic,
                  | rC+}.
 22908 | D:14     | 22908 ||| SWAPPING to +6 heavy broad axe.
 22909 | D:14     | 22909 ||| SWAPPING to +9 broad axe "Kosum" {antimagic,
                  | rC+}.
 22910 | D:14     | 22910 ||| SWAPPING to +6 heavy broad axe.
 22911 | D:14     | 22911 ||| SWAPPING to +9 broad axe "Kosum" {antimagic,
                  | rC+}.
 22912 | D:14     | 22912 ||| SWAPPING to +6 heavy broad axe.
 22913 | D:14     | 22913 ||| SWAPPING to +9 broad axe "Kosum" {antimagic,
                  | rC+}.
 22914 | D:14     | 22914 ||| SWAPPING to +6 heavy broad axe.
 22915 | D:14     | 22915 ||| SWAPPING to +9 broad axe "Kosum" {antimagic,
                  | rC+}.
 22916 | D:14     | 22916 ||| SWAPPING to +6 heavy broad axe.
 22917 | D:14     | 22917 ||| SWAPPING to +9 broad axe "Kosum" {antimagic,
                  | rC+}.
 22918 | D:14     | 22918 ||| SWAPPING to +6 heavy broad axe.
 22919 | D:14     | 22919 ||| SWAPPING to +9 broad axe "Kosum" {antimagic,
                  | rC+}.
 22920 | D:14     | 22920 ||| SWAPPING to +6 heavy broad axe.
 22921 | D:14     | 22921 ||| SWAPPING to +9 broad axe "Kosum" {antimagic,
                  | rC+}.
 22922 | D:14     | 22922 ||| SWAPPING to +6 heavy broad axe.
 22923 | D:14     | 22923 ||| SWAPPING to +9 broad axe "Kosum" {antimagic,
                  | rC+}.
 22924 | D:14     | 22924 ||| SWAPPING to +6 heavy broad axe.
 22925 | D:14     | 22925 ||| SWAPPING to +9 broad axe "Kosum" {antimagic,
                  | rC+}.
 22926 | D:14     | 22926 ||| SWAPPING to +6 heavy broad axe.
 22927 | D:14     | 22927 ||| SWAPPING to +9 broad axe "Kosum" {antimagic,
                  | rC+}.
 22928 | D:14     | 22928 ||| SWAPPING to +6 heavy broad axe.
 22929 | D:14     | 22929 ||| SWAPPING to +9 broad axe "Kosum" {antimagic,
                  | rC+}.
 22930 | D:14     | 22930 ||| SWAPPING to +6 heavy broad axe.
 22931 | D:14     | 22931 ||| SWAPPING to +9 broad axe "Kosum" {antimagic,
                  | rC+}.
 22932 | D:14     | 22932 ||| SWAPPING to +6 heavy broad axe.
 22933 | D:14     | 22933 ||| SWAPPING to +9 broad axe "Kosum" {antimagic,
                  | rC+}.
 22934 | D:14     | 22934 ||| SWAPPING to +6 heavy broad axe.
 22935 | D:14     | 22935 ||| SWAPPING to +9 broad axe "Kosum" {antimagic,
                  | rC+}.
 22936 | D:14     | 22936 ||| SWAPPING to +6 heavy broad axe.
 22937 | D:14     | 22937 ||| SWAPPING to +9 broad axe "Kosum" {antimagic,
                  | rC+}.
 22938 | D:14     | 22938 ||| SWAPPING to +6 heavy broad axe.
 22939 | D:14     | 22939 ||| SWAPPING to +9 broad axe "Kosum" {antimagic,
                  | rC+}.
 22940 | D:14     | 22940 ||| SWAPPING to +6 heavy broad axe.
 22941 | D:14     | 22941 ||| SWAPPING to +9 broad axe "Kosum" {antimagic,
                  | rC+}.
 22942 | D:14     | 22942 ||| SWAPPING to +6 heavy broad axe.
 22943 | D:14     | 22943 ||| SWAPPING to +9 broad axe "Kosum" {antimagic,
                  | rC+}.
 22944 | D:14     | 22944 ||| SWAPPING to +6 heavy broad axe.
 22945 | D:14     | 22945 ||| SWAPPING to +9 broad axe "Kosum" {antimagic,
                  | rC+}.
 22946 | D:14     | 22946 ||| SWAPPING to +6 heavy broad axe.
 22947 | D:14     | 22947 ||| SWAPPING to +9 broad axe "Kosum" {antimagic,
                  | rC+}.
 22948 | D:14     | 22948 ||| SWAPPING to +6 heavy broad axe.
 22949 | D:14     | 22949 ||| SWAPPING to +9 broad axe "Kosum" {antimagic,
                  | rC+}.
 22950 | D:14     | 22950 ||| SWAPPING to +6 heavy broad axe.
 22951 | D:14     | 22951 ||| SWAPPING to +9 broad axe "Kosum" {antimagic,
                  | rC+}.
 22952 | D:14     | 22952 ||| SWAPPING to +6 heavy broad axe.
 22953 | D:14     | 22953 ||| SWAPPING to +9 broad axe "Kosum" {antimagic,
                  | rC+}.
 22954 | D:14     | 22954 ||| SWAPPING to +6 heavy broad axe.
 22955 | D:14     | 22955 ||| SWAPPING to +9 broad axe "Kosum" {antimagic,
                  | rC+}.
 22956 | D:14     | 22956 ||| SWAPPING to +6 heavy broad axe.
 22957 | D:14     | 22957 ||| SWAPPING to +9 broad axe "Kosum" {antimagic,
                  | rC+}.
 22958 | D:14     | 22958 ||| SWAPPING to +6 heavy broad axe.
 22959 | D:14     | 22959 ||| SWAPPING to +9 broad axe "Kosum" {antimagic,
                  | rC+}.
 22960 | D:14     | 22960 ||| SWAPPING to +6 heavy broad axe.
 22961 | D:14     | 22961 ||| SWAPPING to +9 broad axe "Kosum" {antimagic,
                  | rC+}.
 22962 | D:14     | 22962 ||| SWAPPING to +6 heavy broad axe.
 22963 | D:14     | 22963 ||| SWAPPING to +9 broad axe "Kosum" {antimagic,
                  | rC+}.
 22964 | D:14     | 22964 ||| SWAPPING to +6 heavy broad axe.
 22965 | D:14     | 22965 ||| SWAPPING to +9 broad axe "Kosum" {antimagic,
                  | rC+}.
 22966 | D:14     | 22966 ||| SWAPPING to +6 heavy broad axe.
 22967 | D:14     | 22967 ||| SWAPPING to +9 broad axe "Kosum" {antimagic,
                  | rC+}.
 22968 | D:14     | 22968 ||| SWAPPING to +6 heavy broad axe.
 22969 | D:14     | 22969 ||| SWAPPING to +9 broad axe "Kosum" {antimagic,
                  | rC+}.
 22970 | D:14     | 22970 ||| SWAPPING to +6 heavy broad axe.
 22971 | D:14     | 22971 ||| SWAPPING to +9 broad axe "Kosum" {antimagic,
                  | rC+}.
 22972 | D:14     | 22972 ||| SWAPPING to +6 heavy broad axe.
 22973 | D:14     | 22973 ||| SWAPPING to +9 broad axe "Kosum" {antimagic,
                  | rC+}.
 22974 | D:14     | 22974 ||| SWAPPING to +6 heavy broad axe.
 22975 | D:14     | 22975 ||| SWAPPING to +9 broad axe "Kosum" {antimagic,
                  | rC+}.
 22976 | D:14     | 22976 ||| SWAPPING to +6 heavy broad axe.
 22977 | D:14     | 22977 ||| SWAPPING to +9 broad axe "Kosum" {antimagic,
                  | rC+}.
 22978 | D:14     | 22978 ||| SWAPPING to +6 heavy broad axe.
 22979 | D:14     | 22979 ||| SWAPPING to +9 broad axe "Kosum" {antimagic,
                  | rC+}.
 22980 | D:14     | 22980 ||| SWAPPING to +6 heavy broad axe.
 22981 | D:14     | 22981 ||| SWAPPING to +9 broad axe "Kosum" {antimagic,
                  | rC+}.
 22982 | D:14     | 22982 ||| SWAPPING to +6 heavy broad axe.
 22983 | D:14     | 22983 ||| SWAPPING to +9 broad axe "Kosum" {antimagic,
                  | rC+}.
 22984 | D:14     | 22984 ||| SWAPPING to +6 heavy broad axe.
 22985 | D:14     | 22985 ||| SWAPPING to +9 broad axe "Kosum" {antimagic,
                  | rC+}.
 22986 | D:14     | 22986 ||| SWAPPING to +6 heavy broad axe.
 22987 | D:14     | 22987 ||| SWAPPING to +9 broad axe "Kosum" {antimagic,
                  | rC+}.
 22988 | D:14     | 22988 ||| SWAPPING to +6 heavy broad axe.
 22989 | D:14     | 22989 ||| SWAPPING to +9 broad axe "Kosum" {antimagic,
                  | rC+}.
 22990 | D:14     | 22990 ||| SWAPPING to +6 heavy broad axe.
 22991 | D:14     | 22991 ||| SWAPPING to +9 broad axe "Kosum" {antimagic,
                  | rC+}.
 22992 | D:14     | 22992 ||| SWAPPING to +6 heavy broad axe.
 22993 | D:14     | 22993 ||| SWAPPING to +9 broad axe "Kosum" {antimagic,
                  | rC+}.
 22994 | D:14     | 22994 ||| SWAPPING to +6 heavy broad axe.
 22995 | D:14     | 22995 ||| SWAPPING to +9 broad axe "Kosum" {antimagic,
                  | rC+}.
 22996 | D:14     | 22996 ||| SWAPPING to +6 heavy broad axe.
 22997 | D:14     | 22997 ||| SWAPPING to +9 broad axe "Kosum" {antimagic,
                  | rC+}.
 22998 | D:14     | 22998 ||| SWAPPING to +6 heavy broad axe.
 22999 | D:14     | 22999 ||| SWAPPING to +9 broad axe "Kosum" {antimagic,
                  | rC+}.
 23000 | D:14     | 23000 ||| SWAPPING to +6 heavy broad axe.
 23001 | D:14     | 23001 ||| SWAPPING to +9 broad axe "Kosum" {antimagic,
                  | rC+}.
 23002 | D:14     | 23002 ||| SWAPPING to +6 heavy broad axe.
 23003 | D:14     | 23003 ||| SWAPPING to +9 broad axe "Kosum" {antimagic,
                  | rC+}.
 23004 | D:14     | 23004 ||| SWAPPING to +6 heavy broad axe.
 23005 | D:14     | 23005 ||| SWAPPING to +9 broad axe "Kosum" {antimagic,
                  | rC+}.
 23006 | D:14     | 23006 ||| SWAPPING to +6 heavy broad axe.
 23007 | D:14     | 23007 ||| SWAPPING to +9 broad axe "Kosum" {antimagic,
                  | rC+}.
 23008 | D:14     | 23008 ||| SWAPPING to +6 heavy broad axe.
 23009 | D:14     | 23009 ||| SWAPPING to +9 broad axe "Kosum" {antimagic,
                  | rC+}.
 23010 | D:14     | 23010 ||| SWAPPING to +6 heavy broad axe.
 23011 | D:14     | 23011 ||| SWAPPING to +9 broad axe "Kosum" {antimagic,
                  | rC+}.
 23012 | D:14     | 23012 ||| SWAPPING to +6 heavy broad axe.
 23013 | D:14     | 23013 ||| SWAPPING to +9 broad axe "Kosum" {antimagic,
                  | rC+}.
 23014 | D:14     | 23014 ||| SWAPPING to +6 heavy broad axe.
 23015 | D:14     | 23015 ||| SWAPPING to +9 broad axe "Kosum" {antimagic,
                  | rC+}.
 23016 | D:14     | 23016 ||| SWAPPING to +6 heavy broad axe.
 23017 | D:14     | 23017 ||| SWAPPING to +9 broad axe "Kosum" {antimagic,
                  | rC+}.
 23018 | D:14     | 23018 ||| SWAPPING to +6 heavy broad axe.
 23019 | D:14     | 23019 ||| SWAPPING to +9 broad axe "Kosum" {antimagic,
                  | rC+}.
 23020 | D:14     | 23020 ||| SWAPPING to +6 heavy broad axe.
 23021 | D:14     | 23021 ||| SWAPPING to +9 broad axe "Kosum" {antimagic,
                  | rC+}.
 23022 | D:14     | 23022 ||| SWAPPING to +6 heavy broad axe.
 23023 | D:14     | 23023 ||| SWAPPING to +9 broad axe "Kosum" {antimagic,
                  | rC+}.
 23024 | D:14     | 23024 ||| SWAPPING to +6 heavy broad axe.
 23025 | D:14     | 23025 ||| SWAPPING to +9 broad axe "Kosum" {antimagic,
                  | rC+}.
 23026 | D:14     | 23026 ||| SWAPPING to +6 heavy broad axe.
 23027 | D:14     | 23027 ||| SWAPPING to +9 broad axe "Kosum" {antimagic,
                  | rC+}.
 23028 | D:14     | 23028 ||| SWAPPING to +6 heavy broad axe.
 23029 | D:14     | 23029 ||| SWAPPING to +9 broad axe "Kosum" {antimagic,
                  | rC+}.
 23030 | D:14     | 23030 ||| SWAPPING to +6 heavy broad axe.
 23031 | D:14     | 23031 ||| SWAPPING to +9 broad axe "Kosum" {antimagic,
                  | rC+}.
 23032 | D:14     | 23032 ||| SWAPPING to +6 heavy broad axe.
 23033 | D:14     | 23033 ||| SWAPPING to +9 broad axe "Kosum" {antimagic,
                  | rC+}.
 23034 | D:14     | 23034 ||| SWAPPING to +6 heavy broad axe.
 23035 | D:14     | 23035 ||| SWAPPING to +9 broad axe "Kosum" {antimagic,
                  | rC+}.
 23036 | D:14     | 23036 ||| SWAPPING to +6 heavy broad axe.
 23037 | D:14     | 23037 ||| SWAPPING to +9 broad axe "Kosum" {antimagic,
                  | rC+}.
 23038 | D:14     | 23038 ||| SWAPPING to +6 heavy broad axe.
 23039 | D:14     | 23039 ||| SWAPPING to +9 broad axe "Kosum" {antimagic,
                  | rC+}.
 23040 | D:14     | 23040 ||| SWAPPING to +6 heavy broad axe.
 23041 | D:14     | 23041 ||| SWAPPING to +9 broad axe "Kosum" {antimagic,
                  | rC+}.
 23042 | D:14     | 23042 ||| SWAPPING to +6 heavy broad axe.
 23043 | D:14     | 23043 ||| SWAPPING to +9 broad axe "Kosum" {antimagic,
                  | rC+}.
 23044 | D:14     | 23044 ||| SWAPPING to +6 heavy broad axe.
 23045 | D:14     | 23045 ||| SWAPPING to +9 broad axe "Kosum" {antimagic,
                  | rC+}.
 23046 | D:14     | 23046 ||| SWAPPING to +6 heavy broad axe.
 23047 | D:14     | 23047 ||| SWAPPING to +9 broad axe "Kosum" {antimagic,
                  | rC+}.
 23048 | D:14     | 23048 ||| SWAPPING to +6 heavy broad axe.
 23049 | D:14     | 23049 ||| SWAPPING to +9 broad axe "Kosum" {antimagic,
                  | rC+}.
 23050 | D:14     | 23050 ||| SWAPPING to +6 heavy broad axe.
 23051 | D:14     | 23051 ||| SWAPPING to +9 broad axe "Kosum" {antimagic,
                  | rC+}.
 23052 | D:14     | 23052 ||| SWAPPING to +6 heavy broad axe.
 23053 | D:14     | 23053 ||| SWAPPING to +9 broad axe "Kosum" {antimagic,
                  | rC+}.
 23054 | D:14     | 23054 ||| SWAPPING to +6 heavy broad axe.
 23055 | D:14     | 23055 ||| SWAPPING to +9 broad axe "Kosum" {antimagic,
                  | rC+}.
 23056 | D:14     | 23056 ||| SWAPPING to +6 heavy broad axe.
 23057 | D:14     | 23057 ||| SWAPPING to +9 broad axe "Kosum" {antimagic,
                  | rC+}.
 23058 | D:14     | 23058 ||| SWAPPING to +6 heavy broad axe.
 23059 | D:14     | 23059 ||| SWAPPING to +9 broad axe "Kosum" {antimagic,
                  | rC+}.
 23060 | D:14     | 23060 ||| SWAPPING to +6 heavy broad axe.
 23061 | D:14     | 23061 ||| SWAPPING to +9 broad axe "Kosum" {antimagic,
                  | rC+}.
 23062 | D:14     | 23062 ||| SWAPPING to +6 heavy broad axe.
 23063 | D:14     | 23063 ||| SWAPPING to +9 broad axe "Kosum" {antimagic,
                  | rC+}.
 23064 | D:14     | 23064 ||| SWAPPING to +6 heavy broad axe.
 23065 | D:14     | 23065 ||| SWAPPING to +9 broad axe "Kosum" {antimagic,
                  | rC+}.
 23066 | D:14     | 23066 ||| SWAPPING to +6 heavy broad axe.
 23067 | D:14     | 23067 ||| SWAPPING to +9 broad axe "Kosum" {antimagic,
                  | rC+}.
 23068 | D:14     | 23068 ||| SWAPPING to +6 heavy broad axe.
 23069 | D:14     | 23069 ||| SWAPPING to +9 broad axe "Kosum" {antimagic,
                  | rC+}.
 23070 | D:14     | 23070 ||| SWAPPING to +6 heavy broad axe.
 23071 | D:14     | 23071 ||| SWAPPING to +9 broad axe "Kosum" {antimagic,
                  | rC+}.
 23072 | D:14     | 23072 ||| SWAPPING to +6 heavy broad axe.
 23073 | D:14     | 23073 ||| SWAPPING to +9 broad axe "Kosum" {antimagic,
                  | rC+}.
 23074 | D:14     | 23074 ||| SWAPPING to +6 heavy broad axe.
 23075 | D:14     | 23075 ||| SWAPPING to +9 broad axe "Kosum" {antimagic,
                  | rC+}.
 23076 | D:14     | 23076 ||| SWAPPING to +6 heavy broad axe.
 23077 | D:14     | 23077 ||| SWAPPING to +9 broad axe "Kosum" {antimagic,
                  | rC+}.
 23078 | D:14     | 23078 ||| SWAPPING to +6 heavy broad axe.
 23079 | D:14     | 23079 ||| SWAPPING to +9 broad axe "Kosum" {antimagic,
                  | rC+}.
 23080 | D:14     | 23080 ||| SWAPPING to +6 heavy broad axe.
 23081 | D:14     | 23081 ||| SWAPPING to +9 broad axe "Kosum" {antimagic,
                  | rC+}.
 23082 | D:14     | 23082 ||| SWAPPING to +6 heavy broad axe.
 23083 | D:14     | 23083 ||| SWAPPING to +9 broad axe "Kosum" {antimagic,
                  | rC+}.
 23084 | D:14     | 23084 ||| SWAPPING to +6 heavy broad axe.
 23085 | D:14     | 23085 ||| SWAPPING to +9 broad axe "Kosum" {antimagic,
                  | rC+}.
 23086 | D:14     | 23086 ||| SWAPPING to +6 heavy broad axe.
 23087 | D:14     | 23087 ||| SWAPPING to +9 broad axe "Kosum" {antimagic,
                  | rC+}.
 23088 | D:14     | 23088 ||| SWAPPING to +6 heavy broad axe.
 23089 | D:14     | 23089 ||| SWAPPING to +9 broad axe "Kosum" {antimagic,
                  | rC+}.
 23090 | D:14     | 23090 ||| SWAPPING to +6 heavy broad axe.
 23091 | D:14     | 23091 ||| SWAPPING to +9 broad axe "Kosum" {antimagic,
                  | rC+}.
 23092 | D:14     | 23092 ||| SWAPPING to +6 heavy broad axe.
 23093 | D:14     | 23093 ||| SWAPPING to +9 broad axe "Kosum" {antimagic,
                  | rC+}.
 23094 | D:14     | 23094 ||| SWAPPING to +6 heavy broad axe.
 23095 | D:14     | 23095 ||| SWAPPING to +9 broad axe "Kosum" {antimagic,
                  | rC+}.
 23096 | D:14     | 23096 ||| SWAPPING to +6 heavy broad axe.
 23097 | D:14     | 23097 ||| SWAPPING to +9 broad axe "Kosum" {antimagic,
                  | rC+}.
 23098 | D:14     | 23098 ||| SWAPPING to +6 heavy broad axe.
 23099 | D:14     | 23099 ||| SWAPPING to +9 broad axe "Kosum" {antimagic,
                  | rC+}.
 23100 | D:14     | 23100 ||| SWAPPING to +6 heavy broad axe.
 23101 | D:14     | 23101 ||| SWAPPING to +9 broad axe "Kosum" {antimagic,
                  | rC+}.
 23102 | D:14     | 23102 ||| SWAPPING to +6 heavy broad axe.
 23103 | D:14     | 23103 ||| SWAPPING to +9 broad axe "Kosum" {antimagic,
                  | rC+}.
 23104 | D:14     | 23104 ||| SWAPPING to +6 heavy broad axe.
 23105 | D:14     | 23105 ||| SWAPPING to +9 broad axe "Kosum" {antimagic,
                  | rC+}.
 23106 | D:14     | 23106 ||| SWAPPING to +6 heavy broad axe.
 23107 | D:14     | 23107 ||| SWAPPING to +9 broad axe "Kosum" {antimagic,
                  | rC+}.
 23108 | D:14     | 23108 ||| SWAPPING to +6 heavy broad axe.
 23109 | D:14     | 23109 ||| SWAPPING to +9 broad axe "Kosum" {antimagic,
                  | rC+}.
 23110 | D:14     | 23110 ||| SWAPPING to +6 heavy broad axe.
 23111 | D:14     | 23111 ||| SWAPPING to +9 broad axe "Kosum" {antimagic,
                  | rC+}.
 23112 | D:14     | 23112 ||| SWAPPING to +6 heavy broad axe.
 23113 | D:14     | 23113 ||| SWAPPING to +9 broad axe "Kosum" {antimagic,
                  | rC+}.
 23114 | D:14     | 23114 ||| SWAPPING to +6 heavy broad axe.
 23115 | D:14     | 23115 ||| SWAPPING to +9 broad axe "Kosum" {antimagic,
                  | rC+}.
 23116 | D:14     | 23116 ||| SWAPPING to +6 heavy broad axe.
 23117 | D:14     | 23117 ||| SWAPPING to +9 broad axe "Kosum" {antimagic,
                  | rC+}.
 23118 | D:14     | 23118 ||| SWAPPING to +6 heavy broad axe.
 23119 | D:14     | 23119 ||| SWAPPING to +9 broad axe "Kosum" {antimagic,
                  | rC+}.
 23120 | D:14     | 23120 ||| SWAPPING to +6 heavy broad axe.
 23121 | D:14     | 23121 ||| SWAPPING to +9 broad axe "Kosum" {antimagic,
                  | rC+}.
 23122 | D:14     | 23122 ||| SWAPPING to +6 heavy broad axe.
 23123 | D:14     | 23123 ||| SWAPPING to +9 broad axe "Kosum" {antimagic,
                  | rC+}.
 23124 | D:14     | 23124 ||| SWAPPING to +6 heavy broad axe.
 23125 | D:14     | 23125 ||| SWAPPING to +9 broad axe "Kosum" {antimagic,
                  | rC+}.
 23126 | D:14     | 23126 ||| SWAPPING to +6 heavy broad axe.
 23127 | D:14     | 23127 ||| SWAPPING to +9 broad axe "Kosum" {antimagic,
                  | rC+}.
 23128 | D:14     | 23128 ||| SWAPPING to +6 heavy broad axe.
 23129 | D:14     | 23129 ||| SWAPPING to +9 broad axe "Kosum" {antimagic,
                  | rC+}.
 23130 | D:14     | 23130 ||| SWAPPING to +6 heavy broad axe.
 23131 | D:14     | 23131 ||| SWAPPING to +9 broad axe "Kosum" {antimagic,
                  | rC+}.
 23132 | D:14     | 23132 ||| SWAPPING to +6 heavy broad axe.
 23133 | D:14     | 23133 ||| SWAPPING to +9 broad axe "Kosum" {antimagic,
                  | rC+}.
 23134 | D:14     | 23134 ||| SWAPPING to +6 heavy broad axe.
 23135 | D:14     | 23135 ||| SWAPPING to +9 broad axe "Kosum" {antimagic,
                  | rC+}.
 23136 | D:14     | 23136 ||| SWAPPING to +6 heavy broad axe.
 23137 | D:14     | 23137 ||| SWAPPING to +9 broad axe "Kosum" {antimagic,
                  | rC+}.
 23138 | D:14     | 23138 ||| SWAPPING to +6 heavy broad axe.
 23139 | D:14     | 23139 ||| SWAPPING to +9 broad axe "Kosum" {antimagic,
                  | rC+}.
 23140 | D:14     | 23140 ||| SWAPPING to +6 heavy broad axe.
 23141 | D:14     | 23141 ||| SWAPPING to +9 broad axe "Kosum" {antimagic,
                  | rC+}.
 23142 | D:14     | 23142 ||| SWAPPING to +6 heavy broad axe.
 23143 | D:14     | 23143 ||| SWAPPING to +9 broad axe "Kosum" {antimagic,
                  | rC+}.
 23144 | D:14     | 23144 ||| SWAPPING to +6 heavy broad axe.
 23145 | D:14     | 23145 ||| SWAPPING to +9 broad axe "Kosum" {antimagic,
                  | rC+}.
 23146 | D:14     | 23146 ||| SWAPPING to +6 heavy broad axe.
 23147 | D:14     | 23147 ||| SWAPPING to +9 broad axe "Kosum" {antimagic,
                  | rC+}.
 23148 | D:14     | 23148 ||| SWAPPING to +6 heavy broad axe.
 23149 | D:14     | 23149 ||| SWAPPING to +9 broad axe "Kosum" {antimagic,
                  | rC+}.
 23150 | D:14     | 23150 ||| SWAPPING to +6 heavy broad axe.
 23151 | D:14     | 23151 ||| SWAPPING to +9 broad axe "Kosum" {antimagic,
                  | rC+}.
 23152 | D:14     | 23152 ||| SWAPPING to +6 heavy broad axe.
 23153 | D:14     | 23153 ||| SWAPPING to +9 broad axe "Kosum" {antimagic,
                  | rC+}.
 23154 | D:14     | 23154 ||| SWAPPING to +6 heavy broad axe.
 23155 | D:14     | 23155 ||| SWAPPING to +9 broad axe "Kosum" {antimagic,
                  | rC+}.
 23156 | D:14     | 23156 ||| SWAPPING to +6 heavy broad axe.
 23157 | D:14     | 23157 ||| SWAPPING to +9 broad axe "Kosum" {antimagic,
                  | rC+}.
 23158 | D:14     | 23158 ||| SWAPPING to +6 heavy broad axe.
 23159 | D:14     | 23159 ||| SWAPPING to +9 broad axe "Kosum" {antimagic,
                  | rC+}.
 23160 | D:14     | 23160 ||| SWAPPING to +6 heavy broad axe.
 23161 | D:14     | 23161 ||| SWAPPING to +9 broad axe "Kosum" {antimagic,
                  | rC+}.
 23162 | D:14     | 23162 ||| SWAPPING to +6 heavy broad axe.
 23163 | D:14     | 23163 ||| SWAPPING to +9 broad axe "Kosum" {antimagic,
                  | rC+}.
 23164 | D:14     | 23164 ||| SWAPPING to +6 heavy broad axe.
 23165 | D:14     | 23165 ||| SWAPPING to +9 broad axe "Kosum" {antimagic,
                  | rC+}.
 23166 | D:14     | 23166 ||| SWAPPING to +6 heavy broad axe.
 23167 | D:14     | 23167 ||| SWAPPING to +9 broad axe "Kosum" {antimagic,
                  | rC+}.
 23168 | D:14     | 23168 ||| SWAPPING to +6 heavy broad axe.
 23169 | D:14     | 23169 ||| SWAPPING to +9 broad axe "Kosum" {antimagic,
                  | rC+}.
 23170 | D:14     | 23170 ||| SWAPPING to +6 heavy broad axe.
 23171 | D:14     | 23171 ||| SWAPPING to +9 broad axe "Kosum" {antimagic,
                  | rC+}.
 23172 | D:14     | 23172 ||| SWAPPING to +6 heavy broad axe.
 23173 | D:14     | 23173 ||| SWAPPING to +9 broad axe "Kosum" {antimagic,
                  | rC+}.
 23174 | D:14     | 23174 ||| SWAPPING to +6 heavy broad axe.
 23175 | D:14     | 23175 ||| SWAPPING to +9 broad axe "Kosum" {antimagic,
                  | rC+}.
 23176 | D:14     | 23176 ||| SWAPPING to +6 heavy broad axe.
 23177 | D:14     | 23177 ||| SWAPPING to +9 broad axe "Kosum" {antimagic,
                  | rC+}.
 23178 | D:14     | 23178 ||| SWAPPING to +6 heavy broad axe.
 23179 | D:14     | 23179 ||| SWAPPING to +9 broad axe "Kosum" {antimagic,
                  | rC+}.
 23180 | D:14     | 23180 ||| SWAPPING to +6 heavy broad axe.
 23181 | D:14     | 23181 ||| SWAPPING to +9 broad axe "Kosum" {antimagic,
                  | rC+}.
 23182 | D:14     | 23182 ||| SWAPPING to +6 heavy broad axe.
 23183 | D:14     | 23183 ||| SWAPPING to +9 broad axe "Kosum" {antimagic,
                  | rC+}.
 23184 | D:14     | 23184 ||| SWAPPING to +6 heavy broad axe.
 23185 | D:14     | 23185 ||| SWAPPING to +9 broad axe "Kosum" {antimagic,
                  | rC+}.
 23186 | D:14     | 23186 ||| SWAPPING to +6 heavy broad axe.
 23187 | D:14     | 23187 ||| SWAPPING to +9 broad axe "Kosum" {antimagic,
                  | rC+}.
 23188 | D:14     | 23188 ||| SWAPPING to +6 heavy broad axe.
 23189 | D:14     | 23189 ||| SWAPPING to +9 broad axe "Kosum" {antimagic,
                  | rC+}.
 23190 | D:14     | 23190 ||| SWAPPING to +6 heavy broad axe.
 23191 | D:14     | 23191 ||| SWAPPING to +9 broad axe "Kosum" {antimagic,
                  | rC+}.
 23192 | D:14     | 23192 ||| SWAPPING to +6 heavy broad axe.
 23193 | D:14     | 23193 ||| SWAPPING to +9 broad axe "Kosum" {antimagic,
                  | rC+}.
 23194 | D:14     | 23194 ||| SWAPPING to +6 heavy broad axe.
 23195 | D:14     | 23195 ||| SWAPPING to +9 broad axe "Kosum" {antimagic,
                  | rC+}.
 23196 | D:14     | 23196 ||| SWAPPING to +6 heavy broad axe.
 23197 | D:14     | 23197 ||| SWAPPING to +9 broad axe "Kosum" {antimagic,
                  | rC+}.
 23198 | D:14     | 23198 ||| SWAPPING to +6 heavy broad axe.
 23199 | D:14     | 23199 ||| SWAPPING to +9 broad axe "Kosum" {antimagic,
                  | rC+}.
 23200 | D:14     | 23200 ||| SWAPPING to +6 heavy broad axe.
 23201 | D:14     | 23201 ||| SWAPPING to +9 broad axe "Kosum" {antimagic,
                  | rC+}.
 23202 | D:14     | 23202 ||| SWAPPING to +6 heavy broad axe.
 23203 | D:14     | 23203 ||| SWAPPING to +9 broad axe "Kosum" {antimagic,
                  | rC+}.
 23204 | D:14     | 23204 ||| SWAPPING to +6 heavy broad axe.
 23205 | D:14     | 23205 ||| SWAPPING to +9 broad axe "Kosum" {antimagic,
                  | rC+}.
 23206 | D:14     | 23206 ||| SWAPPING to +6 heavy broad axe.
 23207 | D:14     | 23207 ||| SWAPPING to +9 broad axe "Kosum" {antimagic,
                  | rC+}.
 23208 | D:14     | 23208 ||| SWAPPING to +6 heavy broad axe.
 23209 | D:14     | 23209 ||| SWAPPING to +9 broad axe "Kosum" {antimagic,
                  | rC+}.
 23210 | D:14     | 23210 ||| SWAPPING to +6 heavy broad axe.
 23211 | D:14     | 23211 ||| SWAPPING to +9 broad axe "Kosum" {antimagic,
                  | rC+}.
 23212 | D:14     | 23212 ||| SWAPPING to +6 heavy broad axe.
 23213 | D:14     | 23213 ||| SWAPPING to +9 broad axe "Kosum" {antimagic,
                  | rC+}.
 23214 | D:14     | 23214 ||| SWAPPING to +6 heavy broad axe.
 23215 | D:14     | 23215 ||| SWAPPING to +9 broad axe "Kosum" {antimagic,
                  | rC+}.
 23216 | D:14     | 23216 ||| SWAPPING to +6 heavy broad axe.
 23217 | D:14     | 23217 ||| SWAPPING to +9 broad axe "Kosum" {antimagic,
                  | rC+}.
 23218 | D:14     | 23218 ||| SWAPPING to +6 heavy broad axe.
 23219 | D:14     | 23219 ||| SWAPPING to +9 broad axe "Kosum" {antimagic,
                  | rC+}.
 23220 | D:14     | 23220 ||| SWAPPING to +6 heavy broad axe.
 23221 | D:14     | 23221 ||| SWAPPING to +9 broad axe "Kosum" {antimagic,
                  | rC+}.
 23222 | D:14     | 23222 ||| SWAPPING to +6 heavy broad axe.
 23223 | D:14     | 23223 ||| SWAPPING to +9 broad axe "Kosum" {antimagic,
                  | rC+}.
 23224 | D:14     | 23224 ||| SWAPPING to +6 heavy broad axe.
 23225 | D:14     | 23225 ||| SWAPPING to +9 broad axe "Kosum" {antimagic,
                  | rC+}.
 23226 | D:14     | 23226 ||| SWAPPING to +6 heavy broad axe.
 23227 | D:14     | 23227 ||| SWAPPING to +9 broad axe "Kosum" {antimagic,
                  | rC+}.
 23228 | D:14     | 23228 ||| SWAPPING to +6 heavy broad axe.
 23229 | D:14     | 23229 ||| SWAPPING to +9 broad axe "Kosum" {antimagic,
                  | rC+}.
 23230 | D:14     | 23230 ||| SWAPPING to +6 heavy broad axe.
 23231 | D:14     | 23231 ||| SWAPPING to +9 broad axe "Kosum" {antimagic,
                  | rC+}.
 23232 | D:14     | 23232 ||| SWAPPING to +6 heavy broad axe.
 23233 | D:14     | 23233 ||| SWAPPING to +9 broad axe "Kosum" {antimagic,
                  | rC+}.
 23234 | D:14     | 23234 ||| SWAPPING to +6 heavy broad axe.
 23235 | D:14     | 23235 ||| SWAPPING to +9 broad axe "Kosum" {antimagic,
                  | rC+}.
 23236 | D:14     | 23236 ||| SWAPPING to +6 heavy broad axe.
 23237 | D:14     | 23237 ||| SWAPPING to +9 broad axe "Kosum" {antimagic,
                  | rC+}.
 23238 | D:14     | 23238 ||| SWAPPING to +6 heavy broad axe.
 23239 | D:14     | 23239 ||| SWAPPING to +9 broad axe "Kosum" {antimagic,
                  | rC+}.
 23240 | D:14     | 23240 ||| SWAPPING to +6 heavy broad axe.
 23241 | D:14     | 23241 ||| SWAPPING to +9 broad axe "Kosum" {antimagic,
                  | rC+}.
 23242 | D:14     | 23242 ||| SWAPPING to +6 heavy broad axe.
 23243 | D:14     | 23243 ||| SWAPPING to +9 broad axe "Kosum" {antimagic,
                  | rC+}.
 23244 | D:14     | 23244 ||| SWAPPING to +6 heavy broad axe.
 23245 | D:14     | 23245 ||| SWAPPING to +9 broad axe "Kosum" {antimagic,
                  | rC+}.
 23246 | D:14     | 23246 ||| SWAPPING to +6 heavy broad axe.
 23247 | D:14     | 23247 ||| SWAPPING to +9 broad axe "Kosum" {antimagic,
                  | rC+}.
 23248 | D:14     | 23248 ||| SWAPPING to +6 heavy broad axe.
 23249 | D:14     | 23249 ||| SWAPPING to +9 broad axe "Kosum" {antimagic,
                  | rC+}.
 23250 | D:14     | 23250 ||| SWAPPING to +6 heavy broad axe.
 23251 | D:14     | 23251 ||| SWAPPING to +9 broad axe "Kosum" {antimagic,
                  | rC+}.
 23252 | D:14     | 23252 ||| SWAPPING to +6 heavy broad axe.
 23253 | D:14     | 23253 ||| SWAPPING to +9 broad axe "Kosum" {antimagic,
                  | rC+}.
 23254 | D:14     | 23254 ||| SWAPPING to +6 heavy broad axe.
 23255 | D:14     | 23255 ||| SWAPPING to +9 broad axe "Kosum" {antimagic,
                  | rC+}.
 23256 | D:14     | 23256 ||| SWAPPING to +6 heavy broad axe.
 23257 | D:14     | 23257 ||| SWAPPING to +9 broad axe "Kosum" {antimagic,
                  | rC+}.
 23258 | D:14     | 23258 ||| SWAPPING to +6 heavy broad axe.
 23259 | D:14     | 23259 ||| SWAPPING to +9 broad axe "Kosum" {antimagic,
                  | rC+}.
 23260 | D:14     | 23260 ||| SWAPPING to +6 heavy broad axe.
 23261 | D:14     | 23261 ||| SWAPPING to +9 broad axe "Kosum" {antimagic,
                  | rC+}.
 23262 | D:14     | 23262 ||| SWAPPING to +6 heavy broad axe.
 23263 | D:14     | 23263 ||| SWAPPING to +9 broad axe "Kosum" {antimagic,
                  | rC+}.
 23264 | D:14     | 23264 ||| SWAPPING to +6 heavy broad axe.
 23265 | D:14     | 23265 ||| SWAPPING to +9 broad axe "Kosum" {antimagic,
                  | rC+}.
 23266 | D:14     | 23266 ||| SWAPPING to +6 heavy broad axe.
 23267 | D:14     | 23267 ||| SWAPPING to +9 broad axe "Kosum" {antimagic,
                  | rC+}.
 23268 | D:14     | 23268 ||| SWAPPING to +6 heavy broad axe.
 23269 | D:14     | 23269 ||| SWAPPING to +9 broad axe "Kosum" {antimagic,
                  | rC+}.
 23270 | D:14     | 23270 ||| SWAPPING to +6 heavy broad axe.
 23271 | D:14     | 23271 ||| SWAPPING to +9 broad axe "Kosum" {antimagic,
                  | rC+}.
 23272 | D:14     | 23272 ||| SWAPPING to +6 heavy broad axe.
 23273 | D:14     | 23273 ||| SWAPPING to +9 broad axe "Kosum" {antimagic,
                  | rC+}.
 23274 | D:14     | 23274 ||| SWAPPING to +6 heavy broad axe.
 23275 | D:14     | 23275 ||| SWAPPING to +9 broad axe "Kosum" {antimagic,
                  | rC+}.
 23276 | D:14     | 23276 ||| SWAPPING to +6 heavy broad axe.
 23277 | D:14     | 23277 ||| SWAPPING to +9 broad axe "Kosum" {antimagic,
                  | rC+}.
 23278 | D:14     | 23278 ||| SWAPPING to +6 heavy broad axe.
 23279 | D:14     | 23279 ||| SWAPPING to +9 broad axe "Kosum" {antimagic,
                  | rC+}.
 23280 | D:14     | 23280 ||| SWAPPING to +6 heavy broad axe.
 23281 | D:14     | 23281 ||| SWAPPING to +9 broad axe "Kosum" {antimagic,
                  | rC+}.
 23282 | D:14     | 23282 ||| SWAPPING to +6 heavy broad axe.
 23283 | D:14     | 23283 ||| SWAPPING to +9 broad axe "Kosum" {antimagic,
                  | rC+}.
 23284 | D:14     | 23284 ||| SWAPPING to +6 heavy broad axe.
 23285 | D:14     | 23285 ||| SWAPPING to +9 broad axe "Kosum" {antimagic,
                  | rC+}.
 23286 | D:14     | 23286 ||| SWAPPING to +6 heavy broad axe.
 23287 | D:14     | 23287 ||| SWAPPING to +9 broad axe "Kosum" {antimagic,
                  | rC+}.
 23288 | D:14     | 23288 ||| SWAPPING to +6 heavy broad axe.
 23289 | D:14     | 23289 ||| SWAPPING to +9 broad axe "Kosum" {antimagic,
                  | rC+}.
 23290 | D:14     | 23290 ||| SWAPPING to +6 heavy broad axe.
 23291 | D:14     | 23291 ||| SWAPPING to +9 broad axe "Kosum" {antimagic,
                  | rC+}.
 23292 | D:14     | 23292 ||| SWAPPING to +6 heavy broad axe.
 23293 | D:14     | 23293 ||| SWAPPING to +9 broad axe "Kosum" {antimagic,
                  | rC+}.
 23294 | D:14     | 23294 ||| SWAPPING to +6 heavy broad axe.
 23295 | D:14     | 23295 ||| SWAPPING to +9 broad axe "Kosum" {antimagic,
                  | rC+}.
 23296 | D:14     | 23296 ||| SWAPPING to +6 heavy broad axe.
 23297 | D:14     | 23297 ||| SWAPPING to +9 broad axe "Kosum" {antimagic,
                  | rC+}.
 23298 | D:14     | 23298 ||| SWAPPING to +6 heavy broad axe.
 23299 | D:14     | 23299 ||| SWAPPING to +9 broad axe "Kosum" {antimagic,
                  | rC+}.
 23300 | D:14     | 23300 ||| SWAPPING to +6 heavy broad axe.
 23301 | D:14     | 23301 ||| SWAPPING to +9 broad axe "Kosum" {antimagic,
                  | rC+}.
 23302 | D:14     | 23302 ||| SWAPPING to +6 heavy broad axe.
 23303 | D:14     | 23303 ||| SWAPPING to +9 broad axe "Kosum" {antimagic,
                  | rC+}.
 23304 | D:14     | 23304 ||| SWAPPING to +6 heavy broad axe.
 23305 | D:14     | 23305 ||| SWAPPING to +9 broad axe "Kosum" {antimagic,
                  | rC+}.
 23306 | D:14     | 23306 ||| SWAPPING to +6 heavy broad axe.
 23307 | D:14     | 23307 ||| SWAPPING to +9 broad axe "Kosum" {antimagic,
                  | rC+}.
 23308 | D:14     | 23308 ||| SWAPPING to +6 heavy broad axe.
 23309 | D:14     | 23309 ||| SWAPPING to +9 broad axe "Kosum" {antimagic,
                  | rC+}.
 23310 | D:14     | 23310 ||| SWAPPING to +6 heavy broad axe.
 23311 | D:14     | 23311 ||| SWAPPING to +9 broad axe "Kosum" {antimagic,
                  | rC+}.
 23312 | D:14     | 23312 ||| SWAPPING to +6 heavy broad axe.
 23313 | D:14     | 23313 ||| SWAPPING to +9 broad axe "Kosum" {antimagic,
                  | rC+}.
 23314 | D:14     | 23314 ||| SWAPPING to +6 heavy broad axe.
 23315 | D:14     | 23315 ||| SWAPPING to +9 broad axe "Kosum" {antimagic,
                  | rC+}.
 23316 | D:14     | 23316 ||| SWAPPING to +6 heavy broad axe.
 23317 | D:14     | 23317 ||| SWAPPING to +9 broad axe "Kosum" {antimagic,
                  | rC+}.
 23318 | D:14     | 23318 ||| SWAPPING to +6 heavy broad axe.
 23319 | D:14     | 23319 ||| SWAPPING to +9 broad axe "Kosum" {antimagic,
                  | rC+}.
 23320 | D:14     | 23320 ||| SWAPPING to +6 heavy broad axe.
 23321 | D:14     | 23321 ||| SWAPPING to +9 broad axe "Kosum" {antimagic,
                  | rC+}.
 23322 | D:14     | 23322 ||| SWAPPING to +6 heavy broad axe.
 23323 | D:14     | 23323 ||| SWAPPING to +9 broad axe "Kosum" {antimagic,
                  | rC+}.
 23324 | D:14     | 23324 ||| SWAPPING to +6 heavy broad axe.
 23325 | D:14     | 23325 ||| SWAPPING to +9 broad axe "Kosum" {antimagic,
                  | rC+}.
 23326 | D:14     | 23326 ||| SWAPPING to +6 heavy broad axe.
 23327 | D:14     | 23327 ||| SWAPPING to +9 broad axe "Kosum" {antimagic,
                  | rC+}.
 23328 | D:14     | 23328 ||| SWAPPING to +6 heavy broad axe.
 23329 | D:14     | 23329 ||| SWAPPING to +9 broad axe "Kosum" {antimagic,
                  | rC+}.
 23330 | D:14     | 23330 ||| SWAPPING to +6 heavy broad axe.
 23331 | D:14     | 23331 ||| SWAPPING to +9 broad axe "Kosum" {antimagic,
                  | rC+}.
 23332 | D:14     | 23332 ||| SWAPPING to +6 heavy broad axe.
 23333 | D:14     | 23333 ||| SWAPPING to +9 broad axe "Kosum" {antimagic,
                  | rC+}.
 23334 | D:14     | 23334 ||| SWAPPING to +6 heavy broad axe.
 23335 | D:14     | 23335 ||| SWAPPING to +9 broad axe "Kosum" {antimagic,
                  | rC+}.
 23336 | D:14     | 23336 ||| SWAPPING to +6 heavy broad axe.
 23337 | D:14     | 23337 ||| SWAPPING to +9 broad axe "Kosum" {antimagic,
                  | rC+}.
 23338 | D:14     | 23338 ||| SWAPPING to +6 heavy broad axe.
 23339 | D:14     | 23339 ||| SWAPPING to +9 broad axe "Kosum" {antimagic,
                  | rC+}.
 23340 | D:14     | 23340 ||| SWAPPING to +6 heavy broad axe.
 23341 | D:14     | 23341 ||| SWAPPING to +9 broad axe "Kosum" {antimagic,
                  | rC+}.
 23342 | D:14     | 23342 ||| SWAPPING to +6 heavy broad axe.
 23343 | D:14     | 23343 ||| SWAPPING to +9 broad axe "Kosum" {antimagic,
                  | rC+}.
 23344 | D:14     | 23344 ||| SWAPPING to +6 heavy broad axe.
 23345 | D:14     | 23345 ||| SWAPPING to +9 broad axe "Kosum" {antimagic,
                  | rC+}.
 23346 | D:14     | 23346 ||| SWAPPING to +6 heavy broad axe.
 23347 | D:14     | 23347 ||| SWAPPING to +9 broad axe "Kosum" {antimagic,
                  | rC+}.
 23348 | D:14     | 23348 ||| SWAPPING to +6 heavy broad axe.
 23349 | D:14     | 23349 ||| SWAPPING to +9 broad axe "Kosum" {antimagic,
                  | rC+}.
 23350 | D:14     | 23350 ||| SWAPPING to +6 heavy broad axe.
 23351 | D:14     | 23351 ||| SWAPPING to +9 broad axe "Kosum" {antimagic,
                  | rC+}.
 23352 | D:14     | 23352 ||| SWAPPING to +6 heavy broad axe.
 23353 | D:14     | 23353 ||| SWAPPING to +9 broad axe "Kosum" {antimagic,
                  | rC+}.
 23354 | D:14     | 23354 ||| SWAPPING to +6 heavy broad axe.
 23355 | D:14     | 23355 ||| SWAPPING to +9 broad axe "Kosum" {antimagic,
                  | rC+}.
 23356 | D:14     | 23356 ||| SWAPPING to +6 heavy broad axe.
 23357 | D:14     | 23357 ||| SWAPPING to +9 broad axe "Kosum" {antimagic,
                  | rC+}.
 23358 | D:14     | 23358 ||| SWAPPING to +6 heavy broad axe.
 23359 | D:14     | 23359 ||| SWAPPING to +9 broad axe "Kosum" {antimagic,
                  | rC+}.
 23360 | D:14     | 23360 ||| SWAPPING to +6 heavy broad axe.
 23361 | D:14     | 23361 ||| SWAPPING to +9 broad axe "Kosum" {antimagic,
                  | rC+}.
 23362 | D:14     | 23362 ||| SWAPPING to +6 heavy broad axe.
 23363 | D:14     | 23363 ||| SWAPPING to +9 broad axe "Kosum" {antimagic,
                  | rC+}.
 23364 | D:14     | 23364 ||| SWAPPING to +6 heavy broad axe.
 23365 | D:14     | 23365 ||| SWAPPING to +9 broad axe "Kosum" {antimagic,
                  | rC+}.
 23366 | D:14     | 23366 ||| SWAPPING to +6 heavy broad axe.
 23367 | D:14     | 23367 ||| SWAPPING to +9 broad axe "Kosum" {antimagic,
                  | rC+}.
 23368 | D:14     | 23368 ||| SWAPPING to +6 heavy broad axe.
 23369 | D:14     | 23369 ||| SWAPPING to +9 broad axe "Kosum" {antimagic,
                  | rC+}.
 23370 | D:14     | 23370 ||| SWAPPING to +6 heavy broad axe.
 23371 | D:14     | 23371 ||| SWAPPING to +9 broad axe "Kosum" {antimagic,
                  | rC+}.
 23372 | D:14     | 23372 ||| SWAPPING to +6 heavy broad axe.
 23373 | D:14     | 23373 ||| SWAPPING to +9 broad axe "Kosum" {antimagic,
                  | rC+}.
 23374 | D:14     | 23374 ||| SWAPPING to +6 heavy broad axe.
 23375 | D:14     | 23375 ||| SWAPPING to +9 broad axe "Kosum" {antimagic,
                  | rC+}.
 23376 | D:14     | 23376 ||| SWAPPING to +6 heavy broad axe.
 23377 | D:14     | 23377 ||| SWAPPING to +9 broad axe "Kosum" {antimagic,
                  | rC+}.
 23378 | D:14     | 23378 ||| SWAPPING to +6 heavy broad axe.
 23379 | D:14     | 23379 ||| SWAPPING to +9 broad axe "Kosum" {antimagic,
                  | rC+}.
 23380 | D:14     | 23380 ||| SWAPPING to +6 heavy broad axe.
 23381 | D:14     | 23381 ||| SWAPPING to +9 broad axe "Kosum" {antimagic,
                  | rC+}.
 23382 | D:14     | 23382 ||| SWAPPING to +6 heavy broad axe.
 23383 | D:14     | 23383 ||| SWAPPING to +9 broad axe "Kosum" {antimagic,
                  | rC+}.
 23384 | D:14     | 23384 ||| SWAPPING to +6 heavy broad axe.
 23385 | D:14     | 23385 ||| SWAPPING to +9 broad axe "Kosum" {antimagic,
                  | rC+}.
 23386 | D:14     | 23386 ||| SWAPPING to +6 heavy broad axe.
 23387 | D:14     | 23387 ||| SWAPPING to +9 broad axe "Kosum" {antimagic,
                  | rC+}.
 23388 | D:14     | 23388 ||| SWAPPING to +6 heavy broad axe.
 23389 | D:14     | 23389 ||| SWAPPING to +9 broad axe "Kosum" {antimagic,
                  | rC+}.
 23390 | D:14     | 23390 ||| SWAPPING to +6 heavy broad axe.
 23391 | D:14     | 23391 ||| SWAPPING to +9 broad axe "Kosum" {antimagic,
                  | rC+}.
 23392 | D:14     | 23392 ||| SWAPPING to +6 heavy broad axe.
 23393 | D:14     | 23393 ||| SWAPPING to +9 broad axe "Kosum" {antimagic,
                  | rC+}.
 23394 | D:14     | 23394 ||| SWAPPING to +6 heavy broad axe.
 23395 | D:14     | 23395 ||| SWAPPING to +9 broad axe "Kosum" {antimagic,
                  | rC+}.
 23396 | D:14     | 23396 ||| SWAPPING to +6 heavy broad axe.
 23397 | D:14     | 23397 ||| SWAPPING to +9 broad axe "Kosum" {antimagic,
                  | rC+}.
 23398 | D:14     | 23398 ||| SWAPPING to +6 heavy broad axe.
 23399 | D:14     | 23399 ||| SWAPPING to +9 broad axe "Kosum" {antimagic,
                  | rC+}.
 23400 | D:14     | 23400 ||| SWAPPING to +6 heavy broad axe.
 23401 | D:14     | 23401 ||| SWAPPING to +9 broad axe "Kosum" {antimagic,
                  | rC+}.
 23402 | D:14     | 23402 ||| SWAPPING to +6 heavy broad axe.
 23403 | D:14     | 23403 ||| SWAPPING to +9 broad axe "Kosum" {antimagic,
                  | rC+}.
 23404 | D:14     | 23404 ||| SWAPPING to +6 heavy broad axe.
 23405 | D:14     | 23405 ||| SWAPPING to +9 broad axe "Kosum" {antimagic,
                  | rC+}.
 23406 | D:14     | 23406 ||| SWAPPING to +6 heavy broad axe.
 23407 | D:14     | 23407 ||| SWAPPING to +9 broad axe "Kosum" {antimagic,
                  | rC+}.
 23408 | D:14     | 23408 ||| SWAPPING to +6 heavy broad axe.
 23409 | D:14     | 23409 ||| SWAPPING to +9 broad axe "Kosum" {antimagic,
                  | rC+}.
 23410 | D:14     | 23410 ||| SWAPPING to +6 heavy broad axe.
 23411 | D:14     | 23411 ||| SWAPPING to +9 broad axe "Kosum" {antimagic,
                  | rC+}.
 23412 | D:14     | 23412 ||| SWAPPING to +6 heavy broad axe.
 23413 | D:14     | 23413 ||| SWAPPING to +9 broad axe "Kosum" {antimagic,
                  | rC+}.
 23414 | D:14     | 23414 ||| SWAPPING to +6 heavy broad axe.
 23415 | D:14     | 23415 ||| SWAPPING to +9 broad axe "Kosum" {antimagic,
                  | rC+}.
 23416 | D:14     | 23416 ||| SWAPPING to +6 heavy broad axe.
 23417 | D:14     | 23417 ||| SWAPPING to +9 broad axe "Kosum" {antimagic,
                  | rC+}.
 23418 | D:14     | 23418 ||| SWAPPING to +6 heavy broad axe.
 23419 | D:14     | 23419 ||| SWAPPING to +9 broad axe "Kosum" {antimagic,
                  | rC+}.
 23420 | D:14     | 23420 ||| SWAPPING to +6 heavy broad axe.
 23421 | D:14     | 23421 ||| SWAPPING to +9 broad axe "Kosum" {antimagic,
                  | rC+}.
 23422 | D:14     | 23422 ||| SWAPPING to +6 heavy broad axe.
 23423 | D:14     | 23423 ||| SWAPPING to +9 broad axe "Kosum" {antimagic,
                  | rC+}.
 23424 | D:14     | 23424 ||| SWAPPING to +6 heavy broad axe.
 23425 | D:14     | 23425 ||| SWAPPING to +9 broad axe "Kosum" {antimagic,
                  | rC+}.
 23426 | D:14     | 23426 ||| SWAPPING to +6 heavy broad axe.
 23427 | D:14     | 23427 ||| SWAPPING to +9 broad axe "Kosum" {antimagic,
                  | rC+}.
 23428 | D:14     | 23428 ||| SWAPPING to +6 heavy broad axe.
 23429 | D:14     | 23429 ||| SWAPPING to +9 broad axe "Kosum" {antimagic,
                  | rC+}.
 23430 | D:14     | 23430 ||| SWAPPING to +6 heavy broad axe.
 23431 | D:14     | 23431 ||| SWAPPING to +9 broad axe "Kosum" {antimagic,
                  | rC+}.
 23432 | D:14     | 23432 ||| SWAPPING to +6 heavy broad axe.
 23433 | D:14     | 23433 ||| SWAPPING to +9 broad axe "Kosum" {antimagic,
                  | rC+}.
 23434 | D:14     | 23434 ||| SWAPPING to +6 heavy broad axe.
 23435 | D:14     | 23435 ||| SWAPPING to +9 broad axe "Kosum" {antimagic,
                  | rC+}.
 23436 | D:14     | 23436 ||| SWAPPING to +6 heavy broad axe.
 23437 | D:14     | 23437 ||| SWAPPING to +9 broad axe "Kosum" {antimagic,
                  | rC+}.
 23438 | D:14     | 23438 ||| SWAPPING to +6 heavy broad axe.
 23439 | D:14     | 23439 ||| SWAPPING to +9 broad axe "Kosum" {antimagic,
                  | rC+}.
 23440 | D:14     | 23440 ||| SWAPPING to +6 heavy broad axe.
 23441 | D:14     | 23441 ||| SWAPPING to +9 broad axe "Kosum" {antimagic,
                  | rC+}.
 23442 | D:14     | 23442 ||| SWAPPING to +6 heavy broad axe.
 23443 | D:14     | 23443 ||| SWAPPING to +9 broad axe "Kosum" {antimagic,
                  | rC+}.
 23444 | D:14     | 23444 ||| SWAPPING to +6 heavy broad axe.
 23445 | D:14     | 23445 ||| SWAPPING to +9 broad axe "Kosum" {antimagic,
                  | rC+}.
 23446 | D:14     | 23446 ||| SWAPPING to +6 heavy broad axe.
 23447 | D:14     | 23447 ||| SWAPPING to +9 broad axe "Kosum" {antimagic,
                  | rC+}.
 23448 | D:14     | 23448 ||| SWAPPING to +6 heavy broad axe.
 23449 | D:14     | 23449 ||| SWAPPING to +9 broad axe "Kosum" {antimagic,
                  | rC+}.
 23450 | D:14     | 23450 ||| SWAPPING to +6 heavy broad axe.
 23451 | D:14     | 23451 ||| SWAPPING to +9 broad axe "Kosum" {antimagic,
                  | rC+}.
 23452 | D:14     | 23452 ||| SWAPPING to +6 heavy broad axe.
 23453 | D:14     | 23453 ||| SWAPPING to +9 broad axe "Kosum" {antimagic,
                  | rC+}.
 23454 | D:14     | 23454 ||| SWAPPING to +6 heavy broad axe.
 23455 | D:14     | 23455 ||| SWAPPING to +9 broad axe "Kosum" {antimagic,
                  | rC+}.
 23456 | D:14     | 23456 ||| SWAPPING to +6 heavy broad axe.
 23457 | D:14     | 23457 ||| SWAPPING to +9 broad axe "Kosum" {antimagic,
                  | rC+}.
 23458 | D:14     | 23458 ||| SWAPPING to +6 heavy broad axe.
 23459 | D:14     | 23459 ||| SWAPPING to +9 broad axe "Kosum" {antimagic,
                  | rC+}.
 23460 | D:14     | 23460 ||| SWAPPING to +6 heavy broad axe.
 23461 | D:14     | 23461 ||| SWAPPING to +9 broad axe "Kosum" {antimagic,
                  | rC+}.
 23462 | D:14     | 23462 ||| SWAPPING to +6 heavy broad axe.
 23463 | D:14     | 23463 ||| SWAPPING to +9 broad axe "Kosum" {antimagic,
                  | rC+}.
 23464 | D:14     | 23464 ||| SWAPPING to +6 heavy broad axe.
 23465 | D:14     | 23465 ||| SWAPPING to +9 broad axe "Kosum" {antimagic,
                  | rC+}.
 23466 | D:14     | 23466 ||| SWAPPING to +6 heavy broad axe.
 23467 | D:14     | 23467 ||| SWAPPING to +9 broad axe "Kosum" {antimagic,
                  | rC+}.
 23468 | D:14     | 23468 ||| SWAPPING to +6 heavy broad axe.
 23469 | D:14     | 23469 ||| SWAPPING to +9 broad axe "Kosum" {antimagic,
                  | rC+}.
 23470 | D:14     | 23470 ||| SWAPPING to +6 heavy broad axe.
 23471 | D:14     | 23471 ||| SWAPPING to +9 broad axe "Kosum" {antimagic,
                  | rC+}.
 23472 | D:14     | 23472 ||| SWAPPING to +6 heavy broad axe.
 23473 | D:14     | 23473 ||| SWAPPING to +9 broad axe "Kosum" {antimagic,
                  | rC+}.
 23474 | D:14     | 23474 ||| SWAPPING to +6 heavy broad axe.
 23475 | D:14     | 23475 ||| SWAPPING to +9 broad axe "Kosum" {antimagic,
                  | rC+}.
 23476 | D:14     | 23476 ||| SWAPPING to +6 heavy broad axe.
 23477 | D:14     | 23477 ||| SWAPPING to +9 broad axe "Kosum" {antimagic,
                  | rC+}.
 23478 | D:14     | 23478 ||| SWAPPING to +6 heavy broad axe.
 23479 | D:14     | 23479 ||| SWAPPING to +9 broad axe "Kosum" {antimagic,
                  | rC+}.
 23480 | D:14     | 23480 ||| SWAPPING to +6 heavy broad axe.
 23481 | D:14     | 23481 ||| SWAPPING to +9 broad axe "Kosum" {antimagic,
                  | rC+}.
 23482 | D:14     | 23482 ||| SWAPPING to +6 heavy broad axe.
 23483 | D:14     | 23483 ||| SWAPPING to +9 broad axe "Kosum" {antimagic,
                  | rC+}.
 23484 | D:14     | 23484 ||| SWAPPING to +6 heavy broad axe.
 23485 | D:14     | 23485 ||| SWAPPING to +9 broad axe "Kosum" {antimagic,
                  | rC+}.
 23486 | D:14     | 23486 ||| SWAPPING to +6 heavy broad axe.
 23487 | D:14     | 23487 ||| SWAPPING to +9 broad axe "Kosum" {antimagic,
                  | rC+}.
 23488 | D:14     | 23488 ||| SWAPPING to +6 heavy broad axe.
 23489 | D:14     | 23489 ||| SWAPPING to +9 broad axe "Kosum" {antimagic,
                  | rC+}.
 23490 | D:14     | 23490 ||| SWAPPING to +6 heavy broad axe.
 23491 | D:14     | 23491 ||| SWAPPING to +9 broad axe "Kosum" {antimagic,
                  | rC+}.
 23492 | D:14     | 23492 ||| SWAPPING to +6 heavy broad axe.
 23493 | D:14     | 23493 ||| SWAPPING to +9 broad axe "Kosum" {antimagic,
                  | rC+}.
 23494 | D:14     | 23494 ||| SWAPPING to +6 heavy broad axe.
 23495 | D:14     | 23495 ||| SWAPPING to +9 broad axe "Kosum" {antimagic,
                  | rC+}.
 23496 | D:14     | 23496 ||| SWAPPING to +6 heavy broad axe.
 23497 | D:14     | 23497 ||| SWAPPING to +9 broad axe "Kosum" {antimagic,
                  | rC+}.
 23498 | D:14     | 23498 ||| SWAPPING to +6 heavy broad axe.
 23499 | D:14     | 23499 ||| SWAPPING to +9 broad axe "Kosum" {antimagic,
                  | rC+}.
 23500 | D:14     | 23500 ||| SWAPPING to +6 heavy broad axe.
 23501 | D:14     | 23501 ||| SWAPPING to +9 broad axe "Kosum" {antimagic,
                  | rC+}.
 23502 | D:14     | 23502 ||| SWAPPING to +6 heavy broad axe.
 23503 | D:14     | 23503 ||| SWAPPING to +9 broad axe "Kosum" {antimagic,
                  | rC+}.
 23504 | D:14     | 23504 ||| SWAPPING to +6 heavy broad axe.
 23505 | D:14     | 23505 ||| SWAPPING to +9 broad axe "Kosum" {antimagic,
                  | rC+}.
 23506 | D:14     | 23506 ||| SWAPPING to +6 heavy broad axe.
 23507 | D:14     | 23507 ||| SWAPPING to +9 broad axe "Kosum" {antimagic,
                  | rC+}.
 23508 | D:14     | 23508 ||| SWAPPING to +6 heavy broad axe.
 23509 | D:14     | 23509 ||| SWAPPING to +9 broad axe "Kosum" {antimagic,
                  | rC+}.
 23510 | D:14     | 23510 ||| SWAPPING to +6 heavy broad axe.
 23511 | D:14     | 23511 ||| SWAPPING to +9 broad axe "Kosum" {antimagic,
                  | rC+}.
 23512 | D:14     | 23512 ||| SWAPPING to +6 heavy broad axe.
 23513 | D:14     | 23513 ||| SWAPPING to +9 broad axe "Kosum" {antimagic,
                  | rC+}.
 23514 | D:14     | 23514 ||| SWAPPING to +6 heavy broad axe.
 23515 | D:14     | 23515 ||| SWAPPING to +9 broad axe "Kosum" {antimagic,
                  | rC+}.
 23516 | D:14     | 23516 ||| SWAPPING to +6 heavy broad axe.
 23517 | D:14     | 23517 ||| SWAPPING to +9 broad axe "Kosum" {antimagic,
                  | rC+}.
 23518 | D:14     | 23518 ||| SWAPPING to +6 heavy broad axe.
 23519 | D:14     | 23519 ||| SWAPPING to +9 broad axe "Kosum" {antimagic,
                  | rC+}.
 23520 | D:14     | 23520 ||| SWAPPING to +6 heavy broad axe.
 23521 | D:14     | 23521 ||| SWAPPING to +9 broad axe "Kosum" {antimagic,
                  | rC+}.
 23522 | D:14     | 23522 ||| SWAPPING to +6 heavy broad axe.
 23523 | D:14     | 23523 ||| SWAPPING to +9 broad axe "Kosum" {antimagic,
                  | rC+}.
 23524 | D:14     | 23524 ||| SWAPPING to +6 heavy broad axe.
 23525 | D:14     | 23525 ||| SWAPPING to +9 broad axe "Kosum" {antimagic,
                  | rC+}.
 23526 | D:14     | 23526 ||| SWAPPING to +6 heavy broad axe.
 23527 | D:14     | 23527 ||| SWAPPING to +9 broad axe "Kosum" {antimagic,
                  | rC+}.
 23528 | D:14     | 23528 ||| SWAPPING to +6 heavy broad axe.
 23529 | D:14     | 23529 ||| SWAPPING to +9 broad axe "Kosum" {antimagic,
                  | rC+}.
 23530 | D:14     | 23530 ||| SWAPPING to +6 heavy broad axe.
 23531 | D:14     | 23531 ||| SWAPPING to +9 broad axe "Kosum" {antimagic,
                  | rC+}.
 23532 | D:14     | 23532 ||| SWAPPING to +6 heavy broad axe.
 23533 | D:14     | 23533 ||| SWAPPING to +9 broad axe "Kosum" {antimagic,
                  | rC+}.
 23534 | D:14     | 23534 ||| SWAPPING to +6 heavy broad axe.
 23535 | D:14     | 23535 ||| SWAPPING to +9 broad axe "Kosum" {antimagic,
                  | rC+}.
 23536 | D:14     | 23536 ||| SWAPPING to +6 heavy broad axe.
 23537 | D:14     | 23537 ||| SWAPPING to +9 broad axe "Kosum" {antimagic,
                  | rC+}.
 23538 | D:14     | 23538 ||| SWAPPING to +6 heavy broad axe.
 23539 | D:14     | 23539 ||| SWAPPING to +9 broad axe "Kosum" {antimagic,
                  | rC+}.
 23540 | D:14     | 23540 ||| SWAPPING to +6 heavy broad axe.
 23541 | D:14     | 23541 ||| SWAPPING to +9 broad axe "Kosum" {antimagic,
                  | rC+}.
 23542 | D:14     | 23542 ||| SWAPPING to +6 heavy broad axe.
 23543 | D:14     | 23543 ||| SWAPPING to +9 broad axe "Kosum" {antimagic,
                  | rC+}.
 23544 | D:14     | 23544 ||| SWAPPING to +6 heavy broad axe.
 23545 | D:14     | 23545 ||| SWAPPING to +9 broad axe "Kosum" {antimagic,
                  | rC+}.
 23546 | D:14     | 23546 ||| SWAPPING to +6 heavy broad axe.
 23547 | D:14     | 23547 ||| SWAPPING to +9 broad axe "Kosum" {antimagic,
                  | rC+}.
 23548 | D:14     | 23548 ||| SWAPPING to +6 heavy broad axe.
 23549 | D:14     | 23549 ||| SWAPPING to +9 broad axe "Kosum" {antimagic,
                  | rC+}.
 23550 | D:14     | 23550 ||| SWAPPING to +6 heavy broad axe.
 23551 | D:14     | 23551 ||| SWAPPING to +9 broad axe "Kosum" {antimagic,
                  | rC+}.
 23552 | D:14     | 23552 ||| SWAPPING to +6 heavy broad axe.
 23553 | D:14     | 23553 ||| SWAPPING to +9 broad axe "Kosum" {antimagic,
                  | rC+}.
 23554 | D:14     | 23554 ||| SWAPPING to +6 heavy broad axe.
 23555 | D:14     | 23555 ||| SWAPPING to +9 broad axe "Kosum" {antimagic,
                  | rC+}.
 23556 | D:14     | 23556 ||| SWAPPING to +6 heavy broad axe.
 23557 | D:14     | 23557 ||| SWAPPING to +9 broad axe "Kosum" {antimagic,
                  | rC+}.
 23558 | D:14     | 23558 ||| SWAPPING to +6 heavy broad axe.
 23559 | D:14     | 23559 ||| SWAPPING to +9 broad axe "Kosum" {antimagic,
                  | rC+}.
 23560 | D:14     | 23560 ||| SWAPPING to +6 heavy broad axe.
 23561 | D:14     | 23561 ||| SWAPPING to +9 broad axe "Kosum" {antimagic,
                  | rC+}.
 23562 | D:14     | 23562 ||| SWAPPING to +6 heavy broad axe.
 23563 | D:14     | 23563 ||| SWAPPING to +9 broad axe "Kosum" {antimagic,
                  | rC+}.
 23564 | D:14     | 23564 ||| SWAPPING to +6 heavy broad axe.
 23565 | D:14     | 23565 ||| SWAPPING to +9 broad axe "Kosum" {antimagic,
                  | rC+}.
 23566 | D:14     | 23566 ||| SWAPPING to +6 heavy broad axe.
 23567 | D:14     | 23567 ||| SWAPPING to +9 broad axe "Kosum" {antimagic,
                  | rC+}.
 23568 | D:14     | 23568 ||| SWAPPING to +6 heavy broad axe.
 23569 | D:14     | 23569 ||| SWAPPING to +9 broad axe "Kosum" {antimagic,
                  | rC+}.
 23570 | D:14     | 23570 ||| SWAPPING to +6 heavy broad axe.
 23571 | D:14     | 23571 ||| SWAPPING to +9 broad axe "Kosum" {antimagic,
                  | rC+}.
 23572 | D:14     | 23572 ||| SWAPPING to +6 heavy broad axe.
 23573 | D:14     | 23573 ||| SWAPPING to +9 broad axe "Kosum" {antimagic,
                  | rC+}.
 23574 | D:14     | 23574 ||| SWAPPING to +6 heavy broad axe.
 23575 | D:14     | 23575 ||| SWAPPING to +9 broad axe "Kosum" {antimagic,
                  | rC+}.
 23576 | D:14     | 23576 ||| SWAPPING to +6 heavy broad axe.
 23577 | D:14     | 23577 ||| SWAPPING to +9 broad axe "Kosum" {antimagic,
                  | rC+}.
 23578 | D:14     | 23578 ||| SWAPPING to +6 heavy broad axe.
 23579 | D:14     | 23579 ||| SWAPPING to +9 broad axe "Kosum" {antimagic,
                  | rC+}.
 23580 | D:14     | 23580 ||| SWAPPING to +6 heavy broad axe.
 23581 | D:14     | 23581 ||| SWAPPING to +9 broad axe "Kosum" {antimagic,
                  | rC+}.
 23582 | D:14     | 23582 ||| SWAPPING to +6 heavy broad axe.
 23583 | D:14     | 23583 ||| SWAPPING to +9 broad axe "Kosum" {antimagic,
                  | rC+}.
 23584 | D:14     | 23584 ||| SWAPPING to +6 heavy broad axe.
 23585 | D:14     | 23585 ||| SWAPPING to +9 broad axe "Kosum" {antimagic,
                  | rC+}.
 23586 | D:14     | 23586 ||| SWAPPING to +6 heavy broad axe.
 23587 | D:14     | 23587 ||| SWAPPING to +9 broad axe "Kosum" {antimagic,
                  | rC+}.
 23588 | D:14     | 23588 ||| SWAPPING to +6 heavy broad axe.
 23589 | D:14     | 23589 ||| SWAPPING to +9 broad axe "Kosum" {antimagic,
                  | rC+}.
 23590 | D:14     | 23590 ||| SWAPPING to +6 heavy broad axe.
 23591 | D:14     | 23591 ||| SWAPPING to +9 broad axe "Kosum" {antimagic,
                  | rC+}.
 23592 | D:14     | 23592 ||| SWAPPING to +6 heavy broad axe.
 23593 | D:14     | 23593 ||| SWAPPING to +9 broad axe "Kosum" {antimagic,
                  | rC+}.
 23594 | D:14     | 23594 ||| SWAPPING to +6 heavy broad axe.
 23595 | D:14     | 23595 ||| SWAPPING to +9 broad axe "Kosum" {antimagic,
                  | rC+}.
 23596 | D:14     | 23596 ||| SWAPPING to +6 heavy broad axe.
 23597 | D:14     | 23597 ||| SWAPPING to +9 broad axe "Kosum" {antimagic,
                  | rC+}.
 23598 | D:14     | 23598 ||| SWAPPING to +6 heavy broad axe.
 23599 | D:14     | 23599 ||| SWAPPING to +9 broad axe "Kosum" {antimagic,
                  | rC+}.
 23600 | D:14     | 23600 ||| SWAPPING to +6 heavy broad axe.
 23601 | D:14     | 23601 ||| SWAPPING to +9 broad axe "Kosum" {antimagic,
                  | rC+}.
 23602 | D:14     | 23602 ||| SWAPPING to +6 heavy broad axe.
 23603 | D:14     | 23603 ||| SWAPPING to +9 broad axe "Kosum" {antimagic,
                  | rC+}.
 23604 | D:14     | 23604 ||| SWAPPING to +6 heavy broad axe.
 23605 | D:14     | 23605 ||| SWAPPING to +9 broad axe "Kosum" {antimagic,
                  | rC+}.
 23606 | D:14     | 23606 ||| SWAPPING to +6 heavy broad axe.
 23607 | D:14     | 23607 ||| SWAPPING to +9 broad axe "Kosum" {antimagic,
                  | rC+}.
 23608 | D:14     | 23608 ||| SWAPPING to +6 heavy broad axe.
 23609 | D:14     | 23609 ||| SWAPPING to +9 broad axe "Kosum" {antimagic,
                  | rC+}.
 23610 | D:14     | 23610 ||| SWAPPING to +6 heavy broad axe.
 23611 | D:14     | 23611 ||| SWAPPING to +9 broad axe "Kosum" {antimagic,
                  | rC+}.
 23612 | D:14     | 23612 ||| SWAPPING to +6 heavy broad axe.
 23613 | D:14     | 23613 ||| SWAPPING to +9 broad axe "Kosum" {antimagic,
                  | rC+}.
 23614 | D:14     | 23614 ||| SWAPPING to +6 heavy broad axe.
 23615 | D:14     | 23615 ||| SWAPPING to +9 broad axe "Kosum" {antimagic,
                  | rC+}.
 23616 | D:14     | 23616 ||| SWAPPING to +6 heavy broad axe.
 23617 | D:14     | 23617 ||| SWAPPING to +9 broad axe "Kosum" {antimagic,
                  | rC+}.
 23618 | D:14     | 23618 ||| SWAPPING to +6 heavy broad axe.
 23619 | D:14     | 23619 ||| SWAPPING to +9 broad axe "Kosum" {antimagic,
                  | rC+}.
 23620 | D:14     | 23620 ||| SWAPPING to +6 heavy broad axe.
 23621 | D:14     | 23621 ||| SWAPPING to +9 broad axe "Kosum" {antimagic,
                  | rC+}.
 23622 | D:14     | 23622 ||| SWAPPING to +6 heavy broad axe.
 23623 | D:14     | 23623 ||| SWAPPING to +9 broad axe "Kosum" {antimagic,
                  | rC+}.
 23624 | D:14     | 23624 ||| SWAPPING to +6 heavy broad axe.
 23625 | D:14     | 23625 ||| SWAPPING to +9 broad axe "Kosum" {antimagic,
                  | rC+}.
 23626 | D:14     | 23626 ||| SWAPPING to +6 heavy broad axe.
 23627 | D:14     | 23627 ||| SWAPPING to +9 broad axe "Kosum" {antimagic,
                  | rC+}.
 23628 | D:14     | 23628 ||| SWAPPING to +6 heavy broad axe.
 23629 | D:14     | 23629 ||| SWAPPING to +9 broad axe "Kosum" {antimagic,
                  | rC+}.
 23630 | D:14     | 23630 ||| SWAPPING to +6 heavy broad axe.
 23631 | D:14     | 23631 ||| SWAPPING to +9 broad axe "Kosum" {antimagic,
                  | rC+}.
 23632 | D:14     | 23632 ||| SWAPPING to +6 heavy broad axe.
 23633 | D:14     | 23633 ||| SWAPPING to +9 broad axe "Kosum" {antimagic,
                  | rC+}.
 23634 | D:14     | 23634 ||| SWAPPING to +6 heavy broad axe.
 23635 | D:14     | 23635 ||| SWAPPING to +9 broad axe "Kosum" {antimagic,
                  | rC+}.
 23636 | D:14     | 23636 ||| SWAPPING to +6 heavy broad axe.
 23637 | D:14     | 23637 ||| SWAPPING to +9 broad axe "Kosum" {antimagic,
                  | rC+}.
 23638 | D:14     | 23638 ||| SWAPPING to +6 heavy broad axe.
 23639 | D:14     | 23639 ||| SWAPPING to +9 broad axe "Kosum" {antimagic,
                  | rC+}.
 23640 | D:14     | 23640 ||| SWAPPING to +6 heavy broad axe.
 23641 | D:14     | 23641 ||| SWAPPING to +9 broad axe "Kosum" {antimagic,
                  | rC+}.
 23642 | D:14     | 23642 ||| SWAPPING to +6 heavy broad axe.
 23643 | D:14     | 23643 ||| SWAPPING to +9 broad axe "Kosum" {antimagic,
                  | rC+}.
 23644 | D:14     | 23644 ||| SWAPPING to +6 heavy broad axe.
 23645 | D:14     | 23645 ||| SWAPPING to +9 broad axe "Kosum" {antimagic,
                  | rC+}.
 23646 | D:14     | 23646 ||| SWAPPING to +6 heavy broad axe.
 23647 | D:14     | 23647 ||| SWAPPING to +9 broad axe "Kosum" {antimagic,
                  | rC+}.
 23648 | D:14     | 23648 ||| SWAPPING to +6 heavy broad axe.
 23649 | D:14     | 23649 ||| SWAPPING to +9 broad axe "Kosum" {antimagic,
                  | rC+}.
 23650 | D:14     | 23650 ||| SWAPPING to +6 heavy broad axe.
 23651 | D:14     | 23651 ||| SWAPPING to +9 broad axe "Kosum" {antimagic,
                  | rC+}.
 23652 | D:14     | 23652 ||| SWAPPING to +6 heavy broad axe.
 23653 | D:14     | 23653 ||| SWAPPING to +9 broad axe "Kosum" {antimagic,
                  | rC+}.
 23654 | D:14     | 23654 ||| SWAPPING to +6 heavy broad axe.
 23655 | D:14     | 23655 ||| SWAPPING to +9 broad axe "Kosum" {antimagic,
                  | rC+}.
 23656 | D:14     | 23656 ||| SWAPPING to +6 heavy broad axe.
 23657 | D:14     | 23657 ||| SWAPPING to +9 broad axe "Kosum" {antimagic,
                  | rC+}.
 23658 | D:14     | 23658 ||| SWAPPING to +6 heavy broad axe.
 23659 | D:14     | 23659 ||| SWAPPING to +9 broad axe "Kosum" {antimagic,
                  | rC+}.
 23660 | D:14     | 23660 ||| SWAPPING to +6 heavy broad axe.
 23661 | D:14     | 23661 ||| SWAPPING to +9 broad axe "Kosum" {antimagic,
                  | rC+}.
 23662 | D:14     | 23662 ||| SWAPPING to +6 heavy broad axe.
 23663 | D:14     | 23663 ||| SWAPPING to +9 broad axe "Kosum" {antimagic,
                  | rC+}.
 23664 | D:14     | 23664 ||| SWAPPING to +6 heavy broad axe.
 23665 | D:14     | 23665 ||| SWAPPING to +9 broad axe "Kosum" {antimagic,
                  | rC+}.
 23666 | D:14     | 23666 ||| SWAPPING to +6 heavy broad axe.
 23667 | D:14     | 23667 ||| SWAPPING to +9 broad axe "Kosum" {antimagic,
                  | rC+}.
 23668 | D:14     | 23668 ||| SWAPPING to +6 heavy broad axe.
 23669 | D:14     | 23669 ||| SWAPPING to +9 broad axe "Kosum" {antimagic,
                  | rC+}.
 23670 | D:14     | 23670 ||| SWAPPING to +6 heavy broad axe.
 23671 | D:14     | 23671 ||| SWAPPING to +9 broad axe "Kosum" {antimagic,
                  | rC+}.
 23672 | D:14     | 23672 ||| SWAPPING to +6 heavy broad axe.
 23673 | D:14     | 23673 ||| SWAPPING to +9 broad axe "Kosum" {antimagic,
                  | rC+}.
 23674 | D:14     | 23674 ||| SWAPPING to +6 heavy broad axe.
 23675 | D:14     | 23675 ||| SWAPPING to +9 broad axe "Kosum" {antimagic,
                  | rC+}.
 23676 | D:14     | 23676 ||| SWAPPING to +6 heavy broad axe.
 23677 | D:14     | 23677 ||| SWAPPING to +9 broad axe "Kosum" {antimagic,
                  | rC+}.
 23678 | D:14     | 23678 ||| SWAPPING to +6 heavy broad axe.
 23679 | D:14     | 23679 ||| SWAPPING to +9 broad axe "Kosum" {antimagic,
                  | rC+}.
 23680 | D:14     | 23680 ||| SWAPPING to +6 heavy broad axe.
 23681 | D:14     | 23681 ||| SWAPPING to +9 broad axe "Kosum" {antimagic,
                  | rC+}.
 23682 | D:14     | 23682 ||| SWAPPING to +6 heavy broad axe.
 23683 | D:14     | 23683 ||| SWAPPING to +9 broad axe "Kosum" {antimagic,
                  | rC+}.
 23684 | D:14     | 23684 ||| SWAPPING to +6 heavy broad axe.
 23685 | D:14     | 23685 ||| SWAPPING to +9 broad axe "Kosum" {antimagic,
                  | rC+}.
 23686 | D:14     | 23686 ||| SWAPPING to +6 heavy broad axe.
 23687 | D:14     | 23687 ||| SWAPPING to +9 broad axe "Kosum" {antimagic,
                  | rC+}.
 23688 | D:14     | 23688 ||| SWAPPING to +6 heavy broad axe.
 23689 | D:14     | 23689 ||| SWAPPING to +9 broad axe "Kosum" {antimagic,
                  | rC+}.
 23690 | D:14     | 23690 ||| SWAPPING to +6 heavy broad axe.
 23691 | D:14     | 23691 ||| SWAPPING to +9 broad axe "Kosum" {antimagic,
                  | rC+}.
 23692 | D:14     | 23692 ||| SWAPPING to +6 heavy broad axe.
 23693 | D:14     | 23693 ||| SWAPPING to +9 broad axe "Kosum" {antimagic,
                  | rC+}.
 23694 | D:14     | 23694 ||| SWAPPING to +6 heavy broad axe.
 23695 | D:14     | 23695 ||| SWAPPING to +9 broad axe "Kosum" {antimagic,
                  | rC+}.
 23696 | D:14     | 23696 ||| SWAPPING to +6 heavy broad axe.
 23697 | D:14     | 23697 ||| SWAPPING to +9 broad axe "Kosum" {antimagic,
                  | rC+}.
 23698 | D:14     | 23698 ||| SWAPPING to +6 heavy broad axe.
 23699 | D:14     | 23699 ||| SWAPPING to +9 broad axe "Kosum" {antimagic,
                  | rC+}.
 23700 | D:14     | 23700 ||| SWAPPING to +6 heavy broad axe.
 23701 | D:14     | 23701 ||| SWAPPING to +9 broad axe "Kosum" {antimagic,
                  | rC+}.
 23702 | D:14     | 23702 ||| SWAPPING to +6 heavy broad axe.
 23703 | D:14     | 23703 ||| SWAPPING to +9 broad axe "Kosum" {antimagic,
                  | rC+}.
 23704 | D:14     | 23704 ||| SWAPPING to +6 heavy broad axe.
 23705 | D:14     | 23705 ||| SWAPPING to +9 broad axe "Kosum" {antimagic,
                  | rC+}.
 23706 | D:14     | 23706 ||| SWAPPING to +6 heavy broad axe.
 23707 | D:14     | 23707 ||| SWAPPING to +9 broad axe "Kosum" {antimagic,
                  | rC+}.
 23708 | D:14     | 23708 ||| SWAPPING to +6 heavy broad axe.
 23709 | D:14     | 23709 ||| SWAPPING to +9 broad axe "Kosum" {antimagic,
                  | rC+}.
 23710 | D:14     | 23710 ||| SWAPPING to +6 heavy broad axe.
 23711 | D:14     | 23711 ||| SWAPPING to +9 broad axe "Kosum" {antimagic,
                  | rC+}.
 23712 | D:14     | 23712 ||| SWAPPING to +6 heavy broad axe.
 23713 | D:14     | 23713 ||| SWAPPING to +9 broad axe "Kosum" {antimagic,
                  | rC+}.
 23714 | D:14     | 23714 ||| SWAPPING to +6 heavy broad axe.
 23715 | D:14     | 23715 ||| SWAPPING to +9 broad axe "Kosum" {antimagic,
                  | rC+}.
 23716 | D:14     | 23716 ||| SWAPPING to +6 heavy broad axe.
 23717 | D:14     | 23717 ||| SWAPPING to +9 broad axe "Kosum" {antimagic,
                  | rC+}.
 23718 | D:14     | 23718 ||| SWAPPING to +6 heavy broad axe.
 23719 | D:14     | 23719 ||| SWAPPING to +9 broad axe "Kosum" {antimagic,
                  | rC+}.
 23720 | D:14     | 23720 ||| SWAPPING to +6 heavy broad axe.
 23721 | D:14     | 23721 ||| SWAPPING to +9 broad axe "Kosum" {antimagic,
                  | rC+}.
 23722 | D:14     | 23722 ||| SWAPPING to +6 heavy broad axe.
 23723 | D:14     | 23723 ||| SWAPPING to +9 broad axe "Kosum" {antimagic,
                  | rC+}.
 23724 | D:14     | 23724 ||| SWAPPING to +6 heavy broad axe.
 23725 | D:14     | 23725 ||| SWAPPING to +9 broad axe "Kosum" {antimagic,
                  | rC+}.
 23726 | D:14     | 23726 ||| SWAPPING to +6 heavy broad axe.
 23727 | D:14     | 23727 ||| SWAPPING to +9 broad axe "Kosum" {antimagic,
                  | rC+}.
 23728 | D:14     | 23728 ||| SWAPPING to +6 heavy broad axe.
 23729 | D:14     | 23729 ||| SWAPPING to +9 broad axe "Kosum" {antimagic,
                  | rC+}.
 23730 | D:14     | 23730 ||| SWAPPING to +6 heavy broad axe.
 23731 | D:14     | 23731 ||| SWAPPING to +9 broad axe "Kosum" {antimagic,
                  | rC+}.
 23732 | D:14     | 23732 ||| SWAPPING to +6 heavy broad axe.
 23733 | D:14     | 23733 ||| SWAPPING to +9 broad axe "Kosum" {antimagic,
                  | rC+}.
 23734 | D:14     | 23734 ||| SWAPPING to +6 heavy broad axe.
 23735 | D:14     | 23735 ||| SWAPPING to +9 broad axe "Kosum" {antimagic,
                  | rC+}.
 23736 | D:14     | 23736 ||| SWAPPING to +6 heavy broad axe.
 23737 | D:14     | 23737 ||| SWAPPING to +9 broad axe "Kosum" {antimagic,
                  | rC+}.
 23738 | D:14     | 23738 ||| SWAPPING to +6 heavy broad axe.
 23739 | D:14     | 23739 ||| SWAPPING to +9 broad axe "Kosum" {antimagic,
                  | rC+}.
 23740 | D:14     | 23740 ||| SWAPPING to +6 heavy broad axe.
 23741 | D:14     | 23741 ||| SWAPPING to +9 broad axe "Kosum" {antimagic,
                  | rC+}.
 23742 | D:14     | 23742 ||| SWAPPING to +6 heavy broad axe.
 23743 | D:14     | 23743 ||| SWAPPING to +9 broad axe "Kosum" {antimagic,
                  | rC+}.
 23744 | D:14     | 23744 ||| SWAPPING to +6 heavy broad axe.
 23745 | D:14     | 23745 ||| SWAPPING to +9 broad axe "Kosum" {antimagic,
                  | rC+}.
 23746 | D:14     | 23746 ||| SWAPPING to +6 heavy broad axe.
 23747 | D:14     | 23747 ||| SWAPPING to +9 broad axe "Kosum" {antimagic,
                  | rC+}.
 23748 | D:14     | 23748 ||| SWAPPING to +6 heavy broad axe.
 23749 | D:14     | 23749 ||| SWAPPING to +9 broad axe "Kosum" {antimagic,
                  | rC+}.
 23750 | D:14     | 23750 ||| SWAPPING to +6 heavy broad axe.
 23751 | D:14     | 23751 ||| SWAPPING to +9 broad axe "Kosum" {antimagic,
                  | rC+}.
 23752 | D:14     | 23752 ||| SWAPPING to +6 heavy broad axe.
 23753 | D:14     | 23753 ||| SWAPPING to +9 broad axe "Kosum" {antimagic,
                  | rC+}.
 23754 | D:14     | 23754 ||| SWAPPING to +6 heavy broad axe.
 23755 | D:14     | 23755 ||| SWAPPING to +9 broad axe "Kosum" {antimagic,
                  | rC+}.
 23756 | D:14     | 23756 ||| SWAPPING to +6 heavy broad axe.
 23757 | D:14     | 23757 ||| SWAPPING to +9 broad axe "Kosum" {antimagic,
                  | rC+}.
 23758 | D:14     | 23758 ||| SWAPPING to +6 heavy broad axe.
 23759 | D:14     | 23759 ||| SWAPPING to +9 broad axe "Kosum" {antimagic,
                  | rC+}.
 23760 | D:14     | 23760 ||| SWAPPING to +6 heavy broad axe.
 23761 | D:14     | 23761 ||| SWAPPING to +9 broad axe "Kosum" {antimagic,
                  | rC+}.
 23762 | D:14     | 23762 ||| SWAPPING to +6 heavy broad axe.
 23763 | D:14     | 23763 ||| SWAPPING to +9 broad axe "Kosum" {antimagic,
                  | rC+}.
 23764 | D:14     | 23764 ||| SWAPPING to +6 heavy broad axe.
 23765 | D:14     | 23765 ||| SWAPPING to +9 broad axe "Kosum" {antimagic,
                  | rC+}.
 23766 | D:14     | 23766 ||| SWAPPING to +6 heavy broad axe.
 23767 | D:14     | 23767 ||| SWAPPING to +9 broad axe "Kosum" {antimagic,
                  | rC+}.
 23768 | D:14     | 23768 ||| SWAPPING to +6 heavy broad axe.
 23769 | D:14     | 23769 ||| SWAPPING to +9 broad axe "Kosum" {antimagic,
                  | rC+}.
 23770 | D:14     | 23770 ||| SWAPPING to +6 heavy broad axe.
 23771 | D:14     | 23771 ||| SWAPPING to +9 broad axe "Kosum" {antimagic,
                  | rC+}.
 23772 | D:14     | 23772 ||| SWAPPING to +6 heavy broad axe.
 23773 | D:14     | 23773 ||| SWAPPING to +9 broad axe "Kosum" {antimagic,
                  | rC+}.
 23774 | D:14     | 23774 ||| SWAPPING to +6 heavy broad axe.
 23775 | D:14     | 23775 ||| SWAPPING to +9 broad axe "Kosum" {antimagic,
                  | rC+}.
 23776 | D:14     | 23776 ||| SWAPPING to +6 heavy broad axe.
 23777 | D:14     | 23777 ||| SWAPPING to +9 broad axe "Kosum" {antimagic,
                  | rC+}.
 23778 | D:14     | 23778 ||| SWAPPING to +6 heavy broad axe.
 23779 | D:14     | 23779 ||| SWAPPING to +9 broad axe "Kosum" {antimagic,
                  | rC+}.
 23780 | D:14     | 23780 ||| SWAPPING to +6 heavy broad axe.
 23781 | D:14     | 23781 ||| SWAPPING to +9 broad axe "Kosum" {antimagic,
                  | rC+}.
 23782 | D:14     | 23782 ||| SWAPPING to +6 heavy broad axe.
 23783 | D:14     | 23783 ||| SWAPPING to +9 broad axe "Kosum" {antimagic,
                  | rC+}.
 23784 | D:14     | 23784 ||| SWAPPING to +6 heavy broad axe.
 23785 | D:14     | 23785 ||| SWAPPING to +9 broad axe "Kosum" {antimagic,
                  | rC+}.
 23786 | D:14     | 23786 ||| SWAPPING to +6 heavy broad axe.
 23787 | D:14     | 23787 ||| SWAPPING to +9 broad axe "Kosum" {antimagic,
                  | rC+}.
 23788 | D:14     | 23788 ||| SWAPPING to +6 heavy broad axe.
 23789 | D:14     | 23789 ||| SWAPPING to +9 broad axe "Kosum" {antimagic,
                  | rC+}.
 23790 | D:14     | 23790 ||| SWAPPING to +6 heavy broad axe.
 23791 | D:14     | 23791 ||| SWAPPING to +9 broad axe "Kosum" {antimagic,
                  | rC+}.
 23792 | D:14     | 23792 ||| SWAPPING to +6 heavy broad axe.
 23793 | D:14     | 23793 ||| SWAPPING to +9 broad axe "Kosum" {antimagic,
                  | rC+}.
 23794 | D:14     | 23794 ||| SWAPPING to +6 heavy broad axe.
 23795 | D:14     | 23795 ||| SWAPPING to +9 broad axe "Kosum" {antimagic,
                  | rC+}.
 23796 | D:14     | 23796 ||| SWAPPING to +6 heavy broad axe.
 23797 | D:14     | 23797 ||| SWAPPING to +9 broad axe "Kosum" {antimagic,
                  | rC+}.
 23798 | D:14     | 23798 ||| SWAPPING to +6 heavy broad axe.
 23799 | D:14     | 23799 ||| SWAPPING to +9 broad axe "Kosum" {antimagic,
                  | rC+}.
 23800 | D:14     | 23800 ||| SWAPPING to +6 heavy broad axe.
 23801 | D:14     | 23801 ||| SWAPPING to +9 broad axe "Kosum" {antimagic,
                  | rC+}.
 23802 | D:14     | 23802 ||| SWAPPING to +6 heavy broad axe.
 23803 | D:14     | 23803 ||| SWAPPING to +9 broad axe "Kosum" {antimagic,
                  | rC+}.
 23804 | D:14     | 23804 ||| SWAPPING to +6 heavy broad axe.
 23805 | D:14     | 23805 ||| SWAPPING to +9 broad axe "Kosum" {antimagic,
                  | rC+}.
 23806 | D:14     | 23806 ||| SWAPPING to +6 heavy broad axe.
 23807 | D:14     | 23807 ||| SWAPPING to +9 broad axe "Kosum" {antimagic,
                  | rC+}.
 23808 | D:14     | 23808 ||| SWAPPING to +6 heavy broad axe.
 23809 | D:14     | 23809 ||| SWAPPING to +9 broad axe "Kosum" {antimagic,
                  | rC+}.
 23810 | D:14     | 23810 ||| SWAPPING to +6 heavy broad axe.
 23811 | D:14     | 23811 ||| SWAPPING to +9 broad axe "Kosum" {antimagic,
                  | rC+}.
 23812 | D:14     | 23812 ||| SWAPPING to +6 heavy broad axe.
 23813 | D:14     | 23813 ||| SWAPPING to +9 broad axe "Kosum" {antimagic,
                  | rC+}.
 23814 | D:14     | 23814 ||| SWAPPING to +6 heavy broad axe.
 23815 | D:14     | 23815 ||| SWAPPING to +9 broad axe "Kosum" {antimagic,
                  | rC+}.
 23816 | D:14     | 23816 ||| SWAPPING to +6 heavy broad axe.
 23817 | D:14     | 23817 ||| SWAPPING to +9 broad axe "Kosum" {antimagic,
                  | rC+}.
 23818 | D:14     | 23818 ||| SWAPPING to +6 heavy broad axe.
 23819 | D:14     | 23819 ||| SWAPPING to +9 broad axe "Kosum" {antimagic,
                  | rC+}.
 23820 | D:14     | 23820 ||| SWAPPING to +6 heavy broad axe.
 23821 | D:14     | 23821 ||| SWAPPING to +9 broad axe "Kosum" {antimagic,
                  | rC+}.
 23822 | D:14     | 23822 ||| SWAPPING to +6 heavy broad axe.
 23823 | D:14     | 23823 ||| SWAPPING to +9 broad axe "Kosum" {antimagic,
                  | rC+}.
 23824 | D:14     | 23824 ||| SWAPPING to +6 heavy broad axe.
 23825 | D:14     | 23825 ||| SWAPPING to +9 broad axe "Kosum" {antimagic,
                  | rC+}.
 23826 | D:14     | 23826 ||| SWAPPING to +6 heavy broad axe.
 23827 | D:14     | 23827 ||| SWAPPING to +9 broad axe "Kosum" {antimagic,
                  | rC+}.
 23828 | D:14     | 23828 ||| SWAPPING to +6 heavy broad axe.
 23829 | D:14     | 23829 ||| SWAPPING to +9 broad axe "Kosum" {antimagic,
                  | rC+}.
 23830 | D:14     | 23830 ||| SWAPPING to +6 heavy broad axe.
 23831 | D:14     | 23831 ||| SWAPPING to +9 broad axe "Kosum" {antimagic,
                  | rC+}.
 23832 | D:14     | 23832 ||| SWAPPING to +6 heavy broad axe.
 23833 | D:14     | 23833 ||| SWAPPING to +9 broad axe "Kosum" {antimagic,
                  | rC+}.
 23834 | D:14     | 23834 ||| SWAPPING to +6 heavy broad axe.
 23835 | D:14     | 23835 ||| SWAPPING to +9 broad axe "Kosum" {antimagic,
                  | rC+}.
 23836 | D:14     | 23836 ||| SWAPPING to +6 heavy broad axe.
 23837 | D:14     | 23837 ||| SWAPPING to +9 broad axe "Kosum" {antimagic,
                  | rC+}.
 23838 | D:14     | 23838 ||| SWAPPING to +6 heavy broad axe.
 23839 | D:14     | 23839 ||| SWAPPING to +9 broad axe "Kosum" {antimagic,
                  | rC+}.
 23840 | D:14     | 23840 ||| SWAPPING to +6 heavy broad axe.
 23841 | D:14     | 23841 ||| SWAPPING to +9 broad axe "Kosum" {antimagic,
                  | rC+}.
 23842 | D:14     | 23842 ||| SWAPPING to +6 heavy broad axe.
 23843 | D:14     | 23843 ||| SWAPPING to +9 broad axe "Kosum" {antimagic,
                  | rC+}.
 23844 | D:14     | 23844 ||| SWAPPING to +6 heavy broad axe.
 23845 | D:14     | 23845 ||| SWAPPING to +9 broad axe "Kosum" {antimagic,
                  | rC+}.
 23846 | D:14     | 23846 ||| SWAPPING to +6 heavy broad axe.
 23847 | D:14     | 23847 ||| SWAPPING to +9 broad axe "Kosum" {antimagic,
                  | rC+}.
 23848 | D:14     | 23848 ||| SWAPPING to +6 heavy broad axe.
 23849 | D:14     | 23849 ||| SWAPPING to +9 broad axe "Kosum" {antimagic,
                  | rC+}.
 23850 | D:14     | 23850 ||| SWAPPING to +6 heavy broad axe.
 23851 | D:14     | 23851 ||| SWAPPING to +9 broad axe "Kosum" {antimagic,
                  | rC+}.
 23852 | D:14     | 23852 ||| SWAPPING to +6 heavy broad axe.
 23853 | D:14     | 23853 ||| SWAPPING to +9 broad axe "Kosum" {antimagic,
                  | rC+}.
 23854 | D:14     | 23854 ||| SWAPPING to +6 heavy broad axe.
 23855 | D:14     | 23855 ||| SWAPPING to +9 broad axe "Kosum" {antimagic,
                  | rC+}.
 23856 | D:14     | 23856 ||| SWAPPING to +6 heavy broad axe.
 23857 | D:14     | 23857 ||| SWAPPING to +9 broad axe "Kosum" {antimagic,
                  | rC+}.
 23858 | D:14     | 23858 ||| SWAPPING to +6 heavy broad axe.
 23859 | D:14     | 23859 ||| SWAPPING to +9 broad axe "Kosum" {antimagic,
                  | rC+}.
 23860 | D:14     | 23860 ||| SWAPPING to +6 heavy broad axe.
 23861 | D:14     | 23861 ||| SWAPPING to +9 broad axe "Kosum" {antimagic,
                  | rC+}.
 23862 | D:14     | 23862 ||| SWAPPING to +6 heavy broad axe.
 23863 | D:14     | 23863 ||| SWAPPING to +9 broad axe "Kosum" {antimagic,
                  | rC+}.
 23864 | D:14     | 23864 ||| SWAPPING to +6 heavy broad axe.
 23865 | D:14     | 23865 ||| SWAPPING to +9 broad axe "Kosum" {antimagic,
                  | rC+}.
 23866 | D:14     | 23866 ||| SWAPPING to +6 heavy broad axe.
 23867 | D:14     | 23867 ||| SWAPPING to +9 broad axe "Kosum" {antimagic,
                  | rC+}.
 23868 | D:14     | 23868 ||| SWAPPING to +6 heavy broad axe.
 23869 | D:14     | 23869 ||| SWAPPING to +9 broad axe "Kosum" {antimagic,
                  | rC+}.
 23870 | D:14     | 23870 ||| SWAPPING to +6 heavy broad axe.
 23871 | D:14     | 23871 ||| SWAPPING to +9 broad axe "Kosum" {antimagic,
                  | rC+}.
 23872 | D:14     | 23872 ||| SWAPPING to +6 heavy broad axe.
 23873 | D:14     | 23873 ||| SWAPPING to +9 broad axe "Kosum" {antimagic,
                  | rC+}.
 23874 | D:14     | 23874 ||| SWAPPING to +6 heavy broad axe.
 23875 | D:14     | 23875 ||| SWAPPING to +9 broad axe "Kosum" {antimagic,
                  | rC+}.
 23876 | D:14     | 23876 ||| SWAPPING to +6 heavy broad axe.
 23877 | D:14     | 23877 ||| SWAPPING to +9 broad axe "Kosum" {antimagic,
                  | rC+}.
 23878 | D:14     | 23878 ||| SWAPPING to +6 heavy broad axe.
 23879 | D:14     | 23879 ||| SWAPPING to +9 broad axe "Kosum" {antimagic,
                  | rC+}.
 23880 | D:14     | 23880 ||| SWAPPING to +6 heavy broad axe.
 23881 | D:14     | 23881 ||| SWAPPING to +9 broad axe "Kosum" {antimagic,
                  | rC+}.
 23882 | D:14     | 23882 ||| SWAPPING to +6 heavy broad axe.
 23883 | D:14     | 23883 ||| SWAPPING to +9 broad axe "Kosum" {antimagic,
                  | rC+}.
 23884 | D:14     | 23884 ||| SWAPPING to +6 heavy broad axe.
 23885 | D:14     | 23885 ||| SWAPPING to +9 broad axe "Kosum" {antimagic,
                  | rC+}.
 23886 | D:14     | 23886 ||| SWAPPING to +6 heavy broad axe.
 23887 | D:14     | 23887 ||| SWAPPING to +9 broad axe "Kosum" {antimagic,
                  | rC+}.
 23888 | D:14     | 23888 ||| SWAPPING to +6 heavy broad axe.
 23889 | D:14     | 23889 ||| SWAPPING to +9 broad axe "Kosum" {antimagic,
                  | rC+}.
 23890 | D:14     | 23890 ||| SWAPPING to +6 heavy broad axe.
 23891 | D:14     | 23891 ||| SWAPPING to +9 broad axe "Kosum" {antimagic,
                  | rC+}.
 23892 | D:14     | 23892 ||| SWAPPING to +6 heavy broad axe.
 23893 | D:14     | 23893 ||| SWAPPING to +9 broad axe "Kosum" {antimagic,
                  | rC+}.
 23894 | D:14     | 23894 ||| SWAPPING to +6 heavy broad axe.
 23895 | D:14     | 23895 ||| SWAPPING to +9 broad axe "Kosum" {antimagic,
                  | rC+}.
 23896 | D:14     | 23896 ||| SWAPPING to +6 heavy broad axe.
 23897 | D:14     | 23897 ||| SWAPPING to +9 broad axe "Kosum" {antimagic,
                  | rC+}.
 23898 | D:14     | 23898 ||| SWAPPING to +6 heavy broad axe.
 23899 | D:14     | 23899 ||| SWAPPING to +9 broad axe "Kosum" {antimagic,
                  | rC+}.
 23900 | D:14     | 23900 ||| SWAPPING to +6 heavy broad axe.
 23901 | D:14     | 23901 ||| SWAPPING to +9 broad axe "Kosum" {antimagic,
                  | rC+}.
 23902 | D:14     | 23902 ||| SWAPPING to +6 heavy broad axe.
 23903 | D:14     | 23903 ||| SWAPPING to +9 broad axe "Kosum" {antimagic,
                  | rC+}.
 23904 | D:14     | 23904 ||| SWAPPING to +6 heavy broad axe.
 23905 | D:14     | 23905 ||| SWAPPING to +9 broad axe "Kosum" {antimagic,
                  | rC+}.
 23906 | D:14     | 23906 ||| SWAPPING to +6 heavy broad axe.
 23907 | D:14     | 23907 ||| SWAPPING to +9 broad axe "Kosum" {antimagic,
                  | rC+}.
 23908 | D:14     | 23908 ||| SWAPPING to +6 heavy broad axe.
 23909 | D:14     | 23909 ||| SWAPPING to +9 broad axe "Kosum" {antimagic,
                  | rC+}.
 23910 | D:14     | 23910 ||| SWAPPING to +6 heavy broad axe.
 23911 | D:14     | 23911 ||| SWAPPING to +9 broad axe "Kosum" {antimagic,
                  | rC+}.
 23912 | D:14     | 23912 ||| SWAPPING to +6 heavy broad axe.
 23913 | D:14     | 23913 ||| SWAPPING to +9 broad axe "Kosum" {antimagic,
                  | rC+}.
 23914 | D:14     | 23914 ||| SWAPPING to +6 heavy broad axe.
 23915 | D:14     | 23915 ||| SWAPPING to +9 broad axe "Kosum" {antimagic,
                  | rC+}.
 23916 | D:14     | 23916 ||| SWAPPING to +6 heavy broad axe.
 23917 | D:14     | 23917 ||| SWAPPING to +9 broad axe "Kosum" {antimagic,
                  | rC+}.
 23918 | D:14     | 23918 ||| SWAPPING to +6 heavy broad axe.
 23919 | D:14     | 23919 ||| SWAPPING to +9 broad axe "Kosum" {antimagic,
                  | rC+}.
 23920 | D:14     | 23920 ||| SWAPPING to +6 heavy broad axe.
 23921 | D:14     | 23921 ||| SWAPPING to +9 broad axe "Kosum" {antimagic,
                  | rC+}.
 23922 | D:14     | 23922 ||| SWAPPING to +6 heavy broad axe.
 23923 | D:14     | 23923 ||| SWAPPING to +9 broad axe "Kosum" {antimagic,
                  | rC+}.
 23924 | D:14     | 23924 ||| SWAPPING to +6 heavy broad axe.
 23925 | D:14     | 23925 ||| SWAPPING to +9 broad axe "Kosum" {antimagic,
                  | rC+}.
 23926 | D:14     | 23926 ||| SWAPPING to +6 heavy broad axe.
 23927 | D:14     | 23927 ||| SWAPPING to +9 broad axe "Kosum" {antimagic,
                  | rC+}.
 23928 | D:14     | 23928 ||| SWAPPING to +6 heavy broad axe.
 23929 | D:14     | 23929 ||| SWAPPING to +9 broad axe "Kosum" {antimagic,
                  | rC+}.
 23930 | D:14     | 23930 ||| SWAPPING to +6 heavy broad axe.
 23931 | D:14     | 23931 ||| SWAPPING to +9 broad axe "Kosum" {antimagic,
                  | rC+}.
 23932 | D:14     | 23932 ||| SWAPPING to +6 heavy broad axe.
 23933 | D:14     | 23933 ||| SWAPPING to +9 broad axe "Kosum" {antimagic,
                  | rC+}.
 23934 | D:14     | 23934 ||| SWAPPING to +6 heavy broad axe.
 23935 | D:14     | 23935 ||| SWAPPING to +9 broad axe "Kosum" {antimagic,
                  | rC+}.
 23936 | D:14     | 23936 ||| SWAPPING to +6 heavy broad axe.
 23937 | D:14     | 23937 ||| SWAPPING to +9 broad axe "Kosum" {antimagic,
                  | rC+}.
 23938 | D:14     | 23938 ||| SWAPPING to +6 heavy broad axe.
 23939 | D:14     | 23939 ||| SWAPPING to +9 broad axe "Kosum" {antimagic,
                  | rC+}.
 23940 | D:14     | 23940 ||| SWAPPING to +6 heavy broad axe.
 23941 | D:14     | 23941 ||| SWAPPING to +9 broad axe "Kosum" {antimagic,
                  | rC+}.
 23942 | D:14     | 23942 ||| SWAPPING to +6 heavy broad axe.
 23943 | D:14     | 23943 ||| SWAPPING to +9 broad axe "Kosum" {antimagic,
                  | rC+}.
 23944 | D:14     | 23944 ||| SWAPPING to +6 heavy broad axe.
 23945 | D:14     | 23945 ||| SWAPPING to +9 broad axe "Kosum" {antimagic,
                  | rC+}.
 23946 | D:14     | 23946 ||| SWAPPING to +6 heavy broad axe.
 23947 | D:14     | 23947 ||| SWAPPING to +9 broad axe "Kosum" {antimagic,
                  | rC+}.
 23948 | D:14     | 23948 ||| SWAPPING to +6 heavy broad axe.
 23949 | D:14     | 23949 ||| SWAPPING to +9 broad axe "Kosum" {antimagic,
                  | rC+}.
 23950 | D:14     | 23950 ||| SWAPPING to +6 heavy broad axe.
 23951 | D:14     | 23951 ||| SWAPPING to +9 broad axe "Kosum" {antimagic,
                  | rC+}.
 23952 | D:14     | 23952 ||| SWAPPING to +6 heavy broad axe.
 23953 | D:14     | 23953 ||| SWAPPING to +9 broad axe "Kosum" {antimagic,
                  | rC+}.
 23954 | D:14     | 23954 ||| SWAPPING to +6 heavy broad axe.
 23955 | D:14     | 23955 ||| SWAPPING to +9 broad axe "Kosum" {antimagic,
                  | rC+}.
 23956 | D:14     | 23956 ||| SWAPPING to +6 heavy broad axe.
 23957 | D:14     | 23957 ||| SWAPPING to +9 broad axe "Kosum" {antimagic,
                  | rC+}.
 23958 | D:14     | 23958 ||| SWAPPING to +6 heavy broad axe.
 23959 | D:14     | 23959 ||| SWAPPING to +9 broad axe "Kosum" {antimagic,
                  | rC+}.
 23960 | D:14     | 23960 ||| SWAPPING to +6 heavy broad axe.
 23961 | D:14     | 23961 ||| SWAPPING to +9 broad axe "Kosum" {antimagic,
                  | rC+}.
 23962 | D:14     | 23962 ||| SWAPPING to +6 heavy broad axe.
 23963 | D:14     | 23963 ||| SWAPPING to +9 broad axe "Kosum" {antimagic,
                  | rC+}.
 23964 | D:14     | 23964 ||| SWAPPING to +6 heavy broad axe.
 23965 | D:14     | 23965 ||| SWAPPING to +9 broad axe "Kosum" {antimagic,
                  | rC+}.
 23966 | D:14     | 23966 ||| SWAPPING to +6 heavy broad axe.
 23967 | D:14     | 23967 ||| SWAPPING to +9 broad axe "Kosum" {antimagic,
                  | rC+}.
 23968 | D:14     | 23968 ||| SWAPPING to +6 heavy broad axe.
 23969 | D:14     | 23969 ||| SWAPPING to +9 broad axe "Kosum" {antimagic,
                  | rC+}.
 23970 | D:14     | 23970 ||| SWAPPING to +6 heavy broad axe.
 23971 | D:14     | 23971 ||| SWAPPING to +9 broad axe "Kosum" {antimagic,
                  | rC+}.
 23972 | D:14     | 23972 ||| SWAPPING to +6 heavy broad axe.
 23973 | D:14     | 23973 ||| SWAPPING to +9 broad axe "Kosum" {antimagic,
                  | rC+}.
 23974 | D:14     | 23974 ||| SWAPPING to +6 heavy broad axe.
 23975 | D:14     | 23975 ||| SWAPPING to +9 broad axe "Kosum" {antimagic,
                  | rC+}.
 23976 | D:14     | 23976 ||| SWAPPING to +6 heavy broad axe.
 23977 | D:14     | 23977 ||| SWAPPING to +9 broad axe "Kosum" {antimagic,
                  | rC+}.
 23978 | D:14     | 23978 ||| SWAPPING to +6 heavy broad axe.
 23979 | D:14     | 23979 ||| SWAPPING to +9 broad axe "Kosum" {antimagic,
                  | rC+}.
 23980 | D:14     | 23980 ||| SWAPPING to +6 heavy broad axe.
 23981 | D:14     | 23981 ||| SWAPPING to +9 broad axe "Kosum" {antimagic,
                  | rC+}.
 23982 | D:14     | 23982 ||| SWAPPING to +6 heavy broad axe.
 23983 | D:14     | 23983 ||| SWAPPING to +9 broad axe "Kosum" {antimagic,
                  | rC+}.
 23984 | D:14     | 23984 ||| SWAPPING to +6 heavy broad axe.
 23985 | D:14     | 23985 ||| SWAPPING to +9 broad axe "Kosum" {antimagic,
                  | rC+}.
 23986 | D:14     | 23986 ||| SWAPPING to +6 heavy broad axe.
 23987 | D:14     | 23987 ||| SWAPPING to +9 broad axe "Kosum" {antimagic,
                  | rC+}.
 23988 | D:14     | 23988 ||| SWAPPING to +6 heavy broad axe.
 23989 | D:14     | 23989 ||| SWAPPING to +9 broad axe "Kosum" {antimagic,
                  | rC+}.
 23990 | D:14     | 23990 ||| SWAPPING to +6 heavy broad axe.
 23991 | D:14     | 23991 ||| SWAPPING to +9 broad axe "Kosum" {antimagic,
                  | rC+}.
 23992 | D:14     | 23992 ||| SWAPPING to +6 heavy broad axe.
 23993 | D:14     | 23993 ||| SWAPPING to +9 broad axe "Kosum" {antimagic,
                  | rC+}.
 23994 | D:14     | 23994 ||| SWAPPING to +6 heavy broad axe.
 23995 | D:14     | 23995 ||| SWAPPING to +9 broad axe "Kosum" {antimagic,
                  | rC+}.
 23996 | D:14     | 23996 ||| SWAPPING to +6 heavy broad axe.
 23997 | D:14     | 23997 ||| SWAPPING to +9 broad axe "Kosum" {antimagic,
                  | rC+}.
 23998 | D:14     | 23998 ||| SWAPPING to +6 heavy broad axe.
 23999 | D:14     | 23999 ||| SWAPPING to +9 broad axe "Kosum" {antimagic,
                  | rC+}.
 24000 | D:14     | 24000 ||| SWAPPING to +6 heavy broad axe.
 24001 | D:14     | 24001 ||| SWAPPING to +9 broad axe "Kosum" {antimagic,
                  | rC+}.
 24002 | D:14     | 24002 ||| SWAPPING to +6 heavy broad axe.
 24003 | D:14     | 24003 ||| SWAPPING to +9 broad axe "Kosum" {antimagic,
                  | rC+}.
 24004 | D:14     | 24004 ||| SWAPPING to +6 heavy broad axe.
 24005 | D:14     | 24005 ||| SWAPPING to +9 broad axe "Kosum" {antimagic,
                  | rC+}.
 24006 | D:14     | 24006 ||| SWAPPING to +6 heavy broad axe.
 24007 | D:14     | 24007 ||| SWAPPING to +9 broad axe "Kosum" {antimagic,
                  | rC+}.
 24008 | D:14     | 24008 ||| SWAPPING to +6 heavy broad axe.
 24009 | D:14     | 24009 ||| SWAPPING to +9 broad axe "Kosum" {antimagic,
                  | rC+}.
 24010 | D:14     | 24010 ||| SWAPPING to +6 heavy broad axe.
 24011 | D:14     | 24011 ||| SWAPPING to +9 broad axe "Kosum" {antimagic,
                  | rC+}.
 24012 | D:14     | 24012 ||| SWAPPING to +6 heavy broad axe.
 24013 | D:14     | 24013 ||| SWAPPING to +9 broad axe "Kosum" {antimagic,
                  | rC+}.
 24014 | D:14     | 24014 ||| SWAPPING to +6 heavy broad axe.
 24015 | D:14     | 24015 ||| SWAPPING to +9 broad axe "Kosum" {antimagic,
                  | rC+}.
 24016 | D:14     | 24016 ||| SWAPPING to +6 heavy broad axe.
 24017 | D:14     | 24017 ||| SWAPPING to +9 broad axe "Kosum" {antimagic,
                  | rC+}.
 24018 | D:14     | 24018 ||| SWAPPING to +6 heavy broad axe.
 24019 | D:14     | 24019 ||| SWAPPING to +9 broad axe "Kosum" {antimagic,
                  | rC+}.
 24020 | D:14     | 24020 ||| SWAPPING to +6 heavy broad axe.
 24021 | D:14     | 24021 ||| SWAPPING to +9 broad axe "Kosum" {antimagic,
                  | rC+}.
 24022 | D:14     | 24022 ||| SWAPPING to +6 heavy broad axe.
 24023 | D:14     | 24023 ||| SWAPPING to +9 broad axe "Kosum" {antimagic,
                  | rC+}.
 24024 | D:14     | 24024 ||| SWAPPING to +6 heavy broad axe.
 24025 | D:14     | 24025 ||| SWAPPING to +9 broad axe "Kosum" {antimagic,
                  | rC+}.
 24026 | D:14     | 24026 ||| SWAPPING to +6 heavy broad axe.
 24027 | D:14     | 24027 ||| SWAPPING to +9 broad axe "Kosum" {antimagic,
                  | rC+}.
 24028 | D:14     | 24028 ||| SWAPPING to +6 heavy broad axe.
 24029 | D:14     | 24029 ||| SWAPPING to +9 broad axe "Kosum" {antimagic,
                  | rC+}.
 24030 | D:14     | 24030 ||| SWAPPING to +6 heavy broad axe.
 24031 | D:14     | 24031 ||| SWAPPING to +9 broad axe "Kosum" {antimagic,
                  | rC+}.
 24032 | D:14     | 24032 ||| SWAPPING to +6 heavy broad axe.
 24033 | D:14     | 24033 ||| SWAPPING to +9 broad axe "Kosum" {antimagic,
                  | rC+}.
 24034 | D:14     | 24034 ||| SWAPPING to +6 heavy broad axe.
 24035 | D:14     | 24035 ||| SWAPPING to +9 broad axe "Kosum" {antimagic,
                  | rC+}.
 24036 | D:14     | 24036 ||| SWAPPING to +6 heavy broad axe.
 24037 | D:14     | 24037 ||| SWAPPING to +9 broad axe "Kosum" {antimagic,
                  | rC+}.
 24038 | D:14     | 24038 ||| SWAPPING to +6 heavy broad axe.
 24039 | D:14     | 24039 ||| SWAPPING to +9 broad axe "Kosum" {antimagic,
                  | rC+}.
 24040 | D:14     | 24040 ||| SWAPPING to +6 heavy broad axe.
 24041 | D:14     | 24041 ||| SWAPPING to +9 broad axe "Kosum" {antimagic,
                  | rC+}.
 24042 | D:14     | 24042 ||| SWAPPING to +6 heavy broad axe.
 24043 | D:14     | 24043 ||| SWAPPING to +9 broad axe "Kosum" {antimagic,
                  | rC+}.
 24044 | D:14     | 24044 ||| SWAPPING to +6 heavy broad axe.
 24045 | D:14     | 24045 ||| SWAPPING to +9 broad axe "Kosum" {antimagic,
                  | rC+}.
 24046 | D:14     | 24046 ||| SWAPPING to +6 heavy broad axe.
 24047 | D:14     | 24047 ||| SWAPPING to +9 broad axe "Kosum" {antimagic,
                  | rC+}.
 24048 | D:14     | 24048 ||| SWAPPING to +6 heavy broad axe.
 24049 | D:14     | 24049 ||| SWAPPING to +9 broad axe "Kosum" {antimagic,
                  | rC+}.
 24050 | D:14     | 24050 ||| SWAPPING to +6 heavy broad axe.
 24051 | D:14     | 24051 ||| SWAPPING to +9 broad axe "Kosum" {antimagic,
                  | rC+}.
 24052 | D:14     | 24052 ||| SWAPPING to +6 heavy broad axe.
 24053 | D:14     | 24053 ||| SWAPPING to +9 broad axe "Kosum" {antimagic,
                  | rC+}.
 24054 | D:14     | 24054 ||| SWAPPING to +6 heavy broad axe.
 24055 | D:14     | 24055 ||| SWAPPING to +9 broad axe "Kosum" {antimagic,
                  | rC+}.
 24056 | D:14     | 24056 ||| SWAPPING to +6 heavy broad axe.
 24057 | D:14     | 24057 ||| SWAPPING to +9 broad axe "Kosum" {antimagic,
                  | rC+}.
 24058 | D:14     | 24058 ||| SWAPPING to +6 heavy broad axe.
 24059 | D:14     | 24059 ||| SWAPPING to +9 broad axe "Kosum" {antimagic,
                  | rC+}.
 24060 | D:14     | 24060 ||| SWAPPING to +6 heavy broad axe.
 24061 | D:14     | 24061 ||| SWAPPING to +9 broad axe "Kosum" {antimagic,
                  | rC+}.
 24062 | D:14     | 24062 ||| SWAPPING to +6 heavy broad axe.
 24063 | D:14     | 24063 ||| SWAPPING to +9 broad axe "Kosum" {antimagic,
                  | rC+}.
 24064 | D:14     | 24064 ||| SWAPPING to +6 heavy broad axe.
 24065 | D:14     | 24065 ||| SWAPPING to +9 broad axe "Kosum" {antimagic,
                  | rC+}.
 24066 | D:14     | 24066 ||| SWAPPING to +6 heavy broad axe.
 24067 | D:14     | 24067 ||| SWAPPING to +9 broad axe "Kosum" {antimagic,
                  | rC+}.
 24068 | D:14     | 24068 ||| SWAPPING to +6 heavy broad axe.
 24069 | D:14     | 24069 ||| SWAPPING to +9 broad axe "Kosum" {antimagic,
                  | rC+}.
 24070 | D:14     | 24070 ||| SWAPPING to +6 heavy broad axe.
 24071 | D:14     | 24071 ||| SWAPPING to +9 broad axe "Kosum" {antimagic,
                  | rC+}.
 24072 | D:14     | 24072 ||| SWAPPING to +6 heavy broad axe.
 24073 | D:14     | 24073 ||| SWAPPING to +9 broad axe "Kosum" {antimagic,
                  | rC+}.
 24074 | D:14     | 24074 ||| SWAPPING to +6 heavy broad axe.
 24075 | D:14     | 24075 ||| SWAPPING to +9 broad axe "Kosum" {antimagic,
                  | rC+}.
 24076 | D:14     | 24076 ||| SWAPPING to +6 heavy broad axe.
 24077 | D:14     | 24077 ||| SWAPPING to +9 broad axe "Kosum" {antimagic,
                  | rC+}.
 24078 | D:14     | 24078 ||| SWAPPING to +6 heavy broad axe.
 24079 | D:14     | 24079 ||| SWAPPING to +9 broad axe "Kosum" {antimagic,
                  | rC+}.
 24080 | D:14     | 24080 ||| SWAPPING to +6 heavy broad axe.
 24081 | D:14     | 24081 ||| SWAPPING to +9 broad axe "Kosum" {antimagic,
                  | rC+}.
 24082 | D:14     | 24082 ||| SWAPPING to +6 heavy broad axe.
 24083 | D:14     | 24083 ||| SWAPPING to +9 broad axe "Kosum" {antimagic,
                  | rC+}.
 24084 | D:14     | 24084 ||| SWAPPING to +6 heavy broad axe.
 24085 | D:14     | 24085 ||| SWAPPING to +9 broad axe "Kosum" {antimagic,
                  | rC+}.
 24086 | D:14     | 24086 ||| SWAPPING to +6 heavy broad axe.
 24087 | D:14     | 24087 ||| SWAPPING to +9 broad axe "Kosum" {antimagic,
                  | rC+}.
 24088 | D:14     | 24088 ||| SWAPPING to +6 heavy broad axe.
 24089 | D:14     | 24089 ||| SWAPPING to +9 broad axe "Kosum" {antimagic,
                  | rC+}.
 24090 | D:14     | 24090 ||| SWAPPING to +6 heavy broad axe.
 24091 | D:14     | 24091 ||| SWAPPING to +9 broad axe "Kosum" {antimagic,
                  | rC+}.
 24092 | D:14     | 24092 ||| SWAPPING to +6 heavy broad axe.
 24093 | D:14     | 24093 ||| SWAPPING to +9 broad axe "Kosum" {antimagic,
                  | rC+}.
 24094 | D:14     | 24094 ||| SWAPPING to +6 heavy broad axe.
 24095 | D:14     | 24095 ||| SWAPPING to +9 broad axe "Kosum" {antimagic,
                  | rC+}.
 24096 | D:14     | 24096 ||| SWAPPING to +6 heavy broad axe.
 24097 | D:14     | 24097 ||| SWAPPING to +9 broad axe "Kosum" {antimagic,
                  | rC+}.
 24098 | D:14     | 24098 ||| SWAPPING to +6 heavy broad axe.
 24099 | D:14     | 24099 ||| SWAPPING to +9 broad axe "Kosum" {antimagic,
                  | rC+}.
 24100 | D:14     | 24100 ||| SWAPPING to +6 heavy broad axe.
 24101 | D:14     | 24101 ||| SWAPPING to +9 broad axe "Kosum" {antimagic,
                  | rC+}.
 24102 | D:14     | 24102 ||| SWAPPING to +6 heavy broad axe.
 24103 | D:14     | 24103 ||| SWAPPING to +9 broad axe "Kosum" {antimagic,
                  | rC+}.
 24104 | D:14     | 24104 ||| SWAPPING to +6 heavy broad axe.
 24105 | D:14     | 24105 ||| SWAPPING to +9 broad axe "Kosum" {antimagic,
                  | rC+}.
 24106 | D:14     | 24106 ||| SWAPPING to +6 heavy broad axe.
 24107 | D:14     | 24107 ||| SWAPPING to +9 broad axe "Kosum" {antimagic,
                  | rC+}.
 24108 | D:14     | 24108 ||| SWAPPING to +6 heavy broad axe.
 24109 | D:14     | 24109 ||| SWAPPING to +9 broad axe "Kosum" {antimagic,
                  | rC+}.
 24110 | D:14     | 24110 ||| SWAPPING to +6 heavy broad axe.
 24111 | D:14     | 24111 ||| SWAPPING to +9 broad axe "Kosum" {antimagic,
                  | rC+}.
 24112 | D:14     | 24112 ||| SWAPPING to +6 heavy broad axe.
 24113 | D:14     | 24113 ||| SWAPPING to +9 broad axe "Kosum" {antimagic,
                  | rC+}.
 24114 | D:14     | 24114 ||| SWAPPING to +6 heavy broad axe.
 24115 | D:14     | 24115 ||| SWAPPING to +9 broad axe "Kosum" {antimagic,
                  | rC+}.
 24116 | D:14     | 24116 ||| SWAPPING to +6 heavy broad axe.
 24117 | D:14     | 24117 ||| SWAPPING to +9 broad axe "Kosum" {antimagic,
                  | rC+}.
 24118 | D:14     | 24118 ||| SWAPPING to +6 heavy broad axe.
 24119 | D:14     | 24119 ||| SWAPPING to +9 broad axe "Kosum" {antimagic,
                  | rC+}.
 24120 | D:14     | 24120 ||| SWAPPING to +6 heavy broad axe.
 24121 | D:14     | 24121 ||| SWAPPING to +9 broad axe "Kosum" {antimagic,
                  | rC+}.
 24122 | D:14     | 24122 ||| SWAPPING to +6 heavy broad axe.
 24123 | D:14     | 24123 ||| SWAPPING to +9 broad axe "Kosum" {antimagic,
                  | rC+}.
 24124 | D:14     | 24124 ||| SWAPPING to +6 heavy broad axe.
 24125 | D:14     | 24125 ||| SWAPPING to +9 broad axe "Kosum" {antimagic,
                  | rC+}.
 24126 | D:14     | 24126 ||| SWAPPING to +6 heavy broad axe.
 24127 | D:14     | 24127 ||| SWAPPING to +9 broad axe "Kosum" {antimagic,
                  | rC+}.
 24128 | D:14     | 24128 ||| SWAPPING to +6 heavy broad axe.
 24129 | D:14     | 24129 ||| SWAPPING to +9 broad axe "Kosum" {antimagic,
                  | rC+}.
 24130 | D:14     | 24130 ||| SWAPPING to +6 heavy broad axe.
 24131 | D:14     | 24131 ||| SWAPPING to +9 broad axe "Kosum" {antimagic,
                  | rC+}.
 24132 | D:14     | 24132 ||| SWAPPING to +6 heavy broad axe.
 24133 | D:14     | 24133 ||| SWAPPING to +9 broad axe "Kosum" {antimagic,
                  | rC+}.
 24134 | D:14     | 24134 ||| SWAPPING to +6 heavy broad axe.
 24135 | D:14     | 24135 ||| SWAPPING to +9 broad axe "Kosum" {antimagic,
                  | rC+}.
 24136 | D:14     | 24136 ||| SWAPPING to +6 heavy broad axe.
 24137 | D:14     | 24137 ||| SWAPPING to +9 broad axe "Kosum" {antimagic,
                  | rC+}.
 24138 | D:14     | 24138 ||| SWAPPING to +6 heavy broad axe.
 24139 | D:14     | 24139 ||| SWAPPING to +9 broad axe "Kosum" {antimagic,
                  | rC+}.
 24140 | D:14     | 24140 ||| SWAPPING to +6 heavy broad axe.
 24141 | D:14     | 24141 ||| SWAPPING to +9 broad axe "Kosum" {antimagic,
                  | rC+}.
 24142 | D:14     | 24142 ||| SWAPPING to +6 heavy broad axe.
 24143 | D:14     | 24143 ||| SWAPPING to +9 broad axe "Kosum" {antimagic,
                  | rC+}.
 24144 | D:14     | 24144 ||| SWAPPING to +6 heavy broad axe.
 24145 | D:14     | 24145 ||| SWAPPING to +9 broad axe "Kosum" {antimagic,
                  | rC+}.
 24146 | D:14     | 24146 ||| SWAPPING to +6 heavy broad axe.
 24147 | D:14     | 24147 ||| SWAPPING to +9 broad axe "Kosum" {antimagic,
                  | rC+}.
 24148 | D:14     | 24148 ||| SWAPPING to +6 heavy broad axe.
 24149 | D:14     | 24149 ||| SWAPPING to +9 broad axe "Kosum" {antimagic,
                  | rC+}.
 24150 | D:14     | 24150 ||| SWAPPING to +6 heavy broad axe.
 24151 | D:14     | 24151 ||| SWAPPING to +9 broad axe "Kosum" {antimagic,
                  | rC+}.
 24152 | D:14     | 24152 ||| SWAPPING to +6 heavy broad axe.
 24153 | D:14     | 24153 ||| SWAPPING to +9 broad axe "Kosum" {antimagic,
                  | rC+}.
 24154 | D:14     | 24154 ||| SWAPPING to +6 heavy broad axe.
 24155 | D:14     | 24155 ||| SWAPPING to +9 broad axe "Kosum" {antimagic,
                  | rC+}.
 24156 | D:14     | 24156 ||| SWAPPING to +6 heavy broad axe.
 24157 | D:14     | 24157 ||| SWAPPING to +9 broad axe "Kosum" {antimagic,
                  | rC+}.
 24158 | D:14     | 24158 ||| SWAPPING to +6 heavy broad axe.
 24159 | D:14     | 24159 ||| SWAPPING to +9 broad axe "Kosum" {antimagic,
                  | rC+}.
 24160 | D:14     | 24160 ||| SWAPPING to +6 heavy broad axe.
 24161 | D:14     | 24161 ||| SWAPPING to +9 broad axe "Kosum" {antimagic,
                  | rC+}.
 24162 | D:14     | 24162 ||| SWAPPING to +6 heavy broad axe.
 24163 | D:14     | 24163 ||| SWAPPING to +9 broad axe "Kosum" {antimagic,
                  | rC+}.
 24164 | D:14     | 24164 ||| SWAPPING to +6 heavy broad axe.
 24165 | D:14     | 24165 ||| SWAPPING to +9 broad axe "Kosum" {antimagic,
                  | rC+}.
 24166 | D:14     | 24166 ||| SWAPPING to +6 heavy broad axe.
 24167 | D:14     | 24167 ||| SWAPPING to +9 broad axe "Kosum" {antimagic,
                  | rC+}.
 24168 | D:14     | 24168 ||| SWAPPING to +6 heavy broad axe.
 24169 | D:14     | 24169 ||| SWAPPING to +9 broad axe "Kosum" {antimagic,
                  | rC+}.
 24170 | D:14     | 24170 ||| SWAPPING to +6 heavy broad axe.
 24171 | D:14     | 24171 ||| SWAPPING to +9 broad axe "Kosum" {antimagic,
                  | rC+}.
 24172 | D:14     | 24172 ||| SWAPPING to +6 heavy broad axe.
 24173 | D:14     | 24173 ||| SWAPPING to +9 broad axe "Kosum" {antimagic,
                  | rC+}.
 24174 | D:14     | 24174 ||| SWAPPING to +6 heavy broad axe.
 24175 | D:14     | 24175 ||| SWAPPING to +9 broad axe "Kosum" {antimagic,
                  | rC+}.
 24176 | D:14     | 24176 ||| SWAPPING to +6 heavy broad axe.
 24177 | D:14     | 24177 ||| SWAPPING to +9 broad axe "Kosum" {antimagic,
                  | rC+}.
 24178 | D:14     | 24178 ||| SWAPPING to +6 heavy broad axe.
 24179 | D:14     | 24179 ||| SWAPPING to +9 broad axe "Kosum" {antimagic,
                  | rC+}.
 24180 | D:14     | 24180 ||| SWAPPING to +6 heavy broad axe.
 24181 | D:14     | 24181 ||| SWAPPING to +9 broad axe "Kosum" {antimagic,
                  | rC+}.
 24182 | D:14     | 24182 ||| SWAPPING to +6 heavy broad axe.
 24183 | D:14     | 24183 ||| SWAPPING to +9 broad axe "Kosum" {antimagic,
                  | rC+}.
 24184 | D:14     | 24184 ||| SWAPPING to +6 heavy broad axe.
 24185 | D:14     | 24185 ||| SWAPPING to +9 broad axe "Kosum" {antimagic,
                  | rC+}.
 24186 | D:14     | 24186 ||| SWAPPING to +6 heavy broad axe.
 24187 | D:14     | 24187 ||| SWAPPING to +9 broad axe "Kosum" {antimagic,
                  | rC+}.
 24188 | D:14     | 24188 ||| SWAPPING to +6 heavy broad axe.
 24189 | D:14     | 24189 ||| SWAPPING to +9 broad axe "Kosum" {antimagic,
                  | rC+}.
 24190 | D:14     | 24190 ||| SWAPPING to +6 heavy broad axe.
 24191 | D:14     | 24191 ||| SWAPPING to +9 broad axe "Kosum" {antimagic,
                  | rC+}.
 24192 | D:14     | 24192 ||| SWAPPING to +6 heavy broad axe.
 24193 | D:14     | 24193 ||| SWAPPING to +9 broad axe "Kosum" {antimagic,
                  | rC+}.
 24194 | D:14     | 24194 ||| SWAPPING to +6 heavy broad axe.
 24195 | D:14     | 24195 ||| SWAPPING to +9 broad axe "Kosum" {antimagic,
                  | rC+}.
 24196 | D:14     | 24196 ||| SWAPPING to +6 heavy broad axe.
 24197 | D:14     | 24197 ||| SWAPPING to +9 broad axe "Kosum" {antimagic,
                  | rC+}.
 24198 | D:14     | 24198 ||| SWAPPING to +6 heavy broad axe.
 24199 | D:14     | 24199 ||| SWAPPING to +9 broad axe "Kosum" {antimagic,
                  | rC+}.
 24200 | D:14     | 24200 ||| SWAPPING to +6 heavy broad axe.
 24201 | D:14     | 24201 ||| SWAPPING to +9 broad axe "Kosum" {antimagic,
                  | rC+}.
 24202 | D:14     | 24202 ||| SWAPPING to +6 heavy broad axe.
 24203 | D:14     | 24203 ||| SWAPPING to +9 broad axe "Kosum" {antimagic,
                  | rC+}.
 24204 | D:14     | 24204 ||| SWAPPING to +6 heavy broad axe.
 24205 | D:14     | 24205 ||| SWAPPING to +9 broad axe "Kosum" {antimagic,
                  | rC+}.
 24206 | D:14     | 24206 ||| SWAPPING to +6 heavy broad axe.
 24207 | D:14     | 24207 ||| SWAPPING to +9 broad axe "Kosum" {antimagic,
                  | rC+}.
 24208 | D:14     | 24208 ||| SWAPPING to +6 heavy broad axe.
 24209 | D:14     | 24209 ||| SWAPPING to +9 broad axe "Kosum" {antimagic,
                  | rC+}.
 24210 | D:14     | 24210 ||| SWAPPING to +6 heavy broad axe.
 24211 | D:14     | 24211 ||| SWAPPING to +9 broad axe "Kosum" {antimagic,
                  | rC+}.
 24212 | D:14     | 24212 ||| SWAPPING to +6 heavy broad axe.
 24213 | D:14     | 24213 ||| SWAPPING to +9 broad axe "Kosum" {antimagic,
                  | rC+}.
 24214 | D:14     | 24214 ||| SWAPPING to +6 heavy broad axe.
 24215 | D:14     | 24215 ||| SWAPPING to +9 broad axe "Kosum" {antimagic,
                  | rC+}.
 24216 | D:14     | 24216 ||| SWAPPING to +6 heavy broad axe.
 24217 | D:14     | 24217 ||| SWAPPING to +9 broad axe "Kosum" {antimagic,
                  | rC+}.
 24218 | D:14     | 24218 ||| SWAPPING to +6 heavy broad axe.
 24219 | D:14     | 24219 ||| SWAPPING to +9 broad axe "Kosum" {antimagic,
                  | rC+}.
 24220 | D:14     | 24220 ||| SWAPPING to +6 heavy broad axe.
 24221 | D:14     | 24221 ||| SWAPPING to +9 broad axe "Kosum" {antimagic,
                  | rC+}.
 24222 | D:14     | 24222 ||| SWAPPING to +6 heavy broad axe.
 24223 | D:14     | 24223 ||| SWAPPING to +9 broad axe "Kosum" {antimagic,
                  | rC+}.
 24224 | D:14     | 24224 ||| SWAPPING to +6 heavy broad axe.
 24225 | D:14     | 24225 ||| SWAPPING to +9 broad axe "Kosum" {antimagic,
                  | rC+}.
 24226 | D:14     | 24226 ||| SWAPPING to +6 heavy broad axe.
 24227 | D:14     | 24227 ||| SWAPPING to +9 broad axe "Kosum" {antimagic,
                  | rC+}.
 24228 | D:14     | 24228 ||| SWAPPING to +6 heavy broad axe.
 24229 | D:14     | 24229 ||| SWAPPING to +9 broad axe "Kosum" {antimagic,
                  | rC+}.
 24230 | D:14     | 24230 ||| SWAPPING to +6 heavy broad axe.
 24231 | D:14     | 24231 ||| SWAPPING to +9 broad axe "Kosum" {antimagic,
                  | rC+}.
 24232 | D:14     | 24232 ||| SWAPPING to +6 heavy broad axe.
 24233 | D:14     | 24233 ||| SWAPPING to +9 broad axe "Kosum" {antimagic,
                  | rC+}.
 24234 | D:14     | 24234 ||| SWAPPING to +6 heavy broad axe.
 24235 | D:14     | 24235 ||| SWAPPING to +9 broad axe "Kosum" {antimagic,
                  | rC+}.
 24236 | D:14     | 24236 ||| SWAPPING to +6 heavy broad axe.
 24237 | D:14     | 24237 ||| SWAPPING to +9 broad axe "Kosum" {antimagic,
                  | rC+}.
 24238 | D:14     | 24238 ||| SWAPPING to +6 heavy broad axe.
 24239 | D:14     | 24239 ||| SWAPPING to +9 broad axe "Kosum" {antimagic,
                  | rC+}.
 24240 | D:14     | 24240 ||| SWAPPING to +6 heavy broad axe.
 24241 | D:14     | 24241 ||| SWAPPING to +9 broad axe "Kosum" {antimagic,
                  | rC+}.
 24242 | D:14     | 24242 ||| SWAPPING to +6 heavy broad axe.
 24243 | D:14     | 24243 ||| SWAPPING to +9 broad axe "Kosum" {antimagic,
                  | rC+}.
 24244 | D:14     | 24244 ||| SWAPPING to +6 heavy broad axe.
 24245 | D:14     | 24245 ||| SWAPPING to +9 broad axe "Kosum" {antimagic,
                  | rC+}.
 24246 | D:14     | 24246 ||| SWAPPING to +6 heavy broad axe.
 24247 | D:14     | 24247 ||| SWAPPING to +9 broad axe "Kosum" {antimagic,
                  | rC+}.
 24248 | D:14     | 24248 ||| SWAPPING to +6 heavy broad axe.
 24249 | D:14     | 24249 ||| SWAPPING to +9 broad axe "Kosum" {antimagic,
                  | rC+}.
 24250 | D:14     | 24250 ||| SWAPPING to +6 heavy broad axe.
 24251 | D:14     | 24251 ||| SWAPPING to +9 broad axe "Kosum" {antimagic,
                  | rC+}.
 24252 | D:14     | 24252 ||| SWAPPING to +6 heavy broad axe.
 24253 | D:14     | 24253 ||| SWAPPING to +9 broad axe "Kosum" {antimagic,
                  | rC+}.
 24254 | D:14     | 24254 ||| SWAPPING to +6 heavy broad axe.
 24255 | D:14     | 24255 ||| SWAPPING to +9 broad axe "Kosum" {antimagic,
                  | rC+}.
 24256 | D:14     | 24256 ||| SWAPPING to +6 heavy broad axe.
 24257 | D:14     | 24257 ||| SWAPPING to +9 broad axe "Kosum" {antimagic,
                  | rC+}.
 24258 | D:14     | 24258 ||| SWAPPING to +6 heavy broad axe.
 24259 | D:14     | 24259 ||| SWAPPING to +9 broad axe "Kosum" {antimagic,
                  | rC+}.
 24260 | D:14     | 24260 ||| SWAPPING to +6 heavy broad axe.
 24261 | D:14     | 24261 ||| SWAPPING to +9 broad axe "Kosum" {antimagic,
                  | rC+}.
 24262 | D:14     | 24262 ||| SWAPPING to +6 heavy broad axe.
 24263 | D:14     | 24263 ||| SWAPPING to +9 broad axe "Kosum" {antimagic,
                  | rC+}.
 24264 | D:14     | 24264 ||| SWAPPING to +6 heavy broad axe.
 24265 | D:14     | 24265 ||| SWAPPING to +9 broad axe "Kosum" {antimagic,
                  | rC+}.
 24266 | D:14     | 24266 ||| SWAPPING to +6 heavy broad axe.
 24267 | D:14     | 24267 ||| SWAPPING to +9 broad axe "Kosum" {antimagic,
                  | rC+}.
 24268 | D:14     | 24268 ||| SWAPPING to +6 heavy broad axe.
 24269 | D:14     | 24269 ||| SWAPPING to +9 broad axe "Kosum" {antimagic,
                  | rC+}.
 24270 | D:14     | 24270 ||| SWAPPING to +6 heavy broad axe.
 24271 | D:14     | 24271 ||| SWAPPING to +9 broad axe "Kosum" {antimagic,
                  | rC+}.
 24272 | D:14     | 24272 ||| SWAPPING to +6 heavy broad axe.
 24273 | D:14     | 24273 ||| SWAPPING to +9 broad axe "Kosum" {antimagic,
                  | rC+}.
 24274 | D:14     | 24274 ||| SWAPPING to +6 heavy broad axe.
 24275 | D:14     | 24275 ||| SWAPPING to +9 broad axe "Kosum" {antimagic,
                  | rC+}.
 24276 | D:14     | 24276 ||| SWAPPING to +6 heavy broad axe.
 24277 | D:14     | 24277 ||| SWAPPING to +9 broad axe "Kosum" {antimagic,
                  | rC+}.
 24278 | D:14     | 24278 ||| SWAPPING to +6 heavy broad axe.
 24279 | D:14     | 24279 ||| SWAPPING to +9 broad axe "Kosum" {antimagic,
                  | rC+}.
 24280 | D:14     | 24280 ||| SWAPPING to +6 heavy broad axe.
 24281 | D:14     | 24281 ||| SWAPPING to +9 broad axe "Kosum" {antimagic,
                  | rC+}.
 24282 | D:14     | 24282 ||| SWAPPING to +6 heavy broad axe.
 24283 | D:14     | 24283 ||| SWAPPING to +9 broad axe "Kosum" {antimagic,
                  | rC+}.
 24284 | D:14     | 24284 ||| SWAPPING to +6 heavy broad axe.
 24285 | D:14     | 24285 ||| SWAPPING to +9 broad axe "Kosum" {antimagic,
                  | rC+}.
 24286 | D:14     | 24286 ||| SWAPPING to +6 heavy broad axe.
 24287 | D:14     | 24287 ||| SWAPPING to +9 broad axe "Kosum" {antimagic,
                  | rC+}.
 24288 | D:14     | 24288 ||| SWAPPING to +6 heavy broad axe.
 24289 | D:14     | 24289 ||| SWAPPING to +9 broad axe "Kosum" {antimagic,
                  | rC+}.
 24290 | D:14     | 24290 ||| SWAPPING to +6 heavy broad axe.
 24291 | D:14     | 24291 ||| SWAPPING to +9 broad axe "Kosum" {antimagic,
                  | rC+}.
 24292 | D:14     | 24292 ||| SWAPPING to +6 heavy broad axe.
 24293 | D:14     | 24293 ||| SWAPPING to +9 broad axe "Kosum" {antimagic,
                  | rC+}.
 24294 | D:14     | 24294 ||| SWAPPING to +6 heavy broad axe.
 24295 | D:14     | 24295 ||| SWAPPING to +9 broad axe "Kosum" {antimagic,
                  | rC+}.
 24296 | D:14     | 24296 ||| SWAPPING to +6 heavy broad axe.
 24297 | D:14     | 24297 ||| SWAPPING to +9 broad axe "Kosum" {antimagic,
                  | rC+}.
 24298 | D:14     | 24298 ||| SWAPPING to +6 heavy broad axe.
 24299 | D:14     | 24299 ||| SWAPPING to +9 broad axe "Kosum" {antimagic,
                  | rC+}.
 24300 | D:14     | 24300 ||| SWAPPING to +6 heavy broad axe.
 24301 | D:14     | 24301 ||| SWAPPING to +9 broad axe "Kosum" {antimagic,
                  | rC+}.
 24302 | D:14     | 24302 ||| SWAPPING to +6 heavy broad axe.
 24303 | D:14     | 24303 ||| SWAPPING to +9 broad axe "Kosum" {antimagic,
                  | rC+}.
 24304 | D:14     | 24304 ||| SWAPPING to +6 heavy broad axe.
 24305 | D:14     | 24305 ||| SWAPPING to +9 broad axe "Kosum" {antimagic,
                  | rC+}.
 24306 | D:14     | 24306 ||| SWAPPING to +6 heavy broad axe.
 24307 | D:14     | 24307 ||| SWAPPING to +9 broad axe "Kosum" {antimagic,
                  | rC+}.
 24308 | D:14     | 24308 ||| SWAPPING to +6 heavy broad axe.
 24309 | D:14     | 24309 ||| SWAPPING to +9 broad axe "Kosum" {antimagic,
                  | rC+}.
 24310 | D:14     | 24310 ||| SWAPPING to +6 heavy broad axe.
 24311 | D:14     | 24311 ||| SWAPPING to +9 broad axe "Kosum" {antimagic,
                  | rC+}.
 24312 | D:14     | 24312 ||| SWAPPING to +6 heavy broad axe.
 24313 | D:14     | 24313 ||| SWAPPING to +9 broad axe "Kosum" {antimagic,
                  | rC+}.
 24314 | D:14     | 24314 ||| SWAPPING to +6 heavy broad axe.
 24315 | D:14     | 24315 ||| SWAPPING to +9 broad axe "Kosum" {antimagic,
                  | rC+}.
 24316 | D:14     | 24316 ||| SWAPPING to +6 heavy broad axe.
 24317 | D:14     | 24317 ||| SWAPPING to +9 broad axe "Kosum" {antimagic,
                  | rC+}.
 24318 | D:14     | 24318 ||| SWAPPING to +6 heavy broad axe.
 24319 | D:14     | 24319 ||| SWAPPING to +9 broad axe "Kosum" {antimagic,
                  | rC+}.
 24320 | D:14     | 24320 ||| SWAPPING to +6 heavy broad axe.
 24321 | D:14     | 24321 ||| SWAPPING to +9 broad axe "Kosum" {antimagic,
                  | rC+}.
 24322 | D:14     | 24322 ||| SWAPPING to +6 heavy broad axe.
 24323 | D:14     | 24323 ||| SWAPPING to +9 broad axe "Kosum" {antimagic,
                  | rC+}.
 24324 | D:14     | 24324 ||| SWAPPING to +6 heavy broad axe.
 24325 | D:14     | 24325 ||| SWAPPING to +9 broad axe "Kosum" {antimagic,
                  | rC+}.
 24326 | D:14     | 24326 ||| SWAPPING to +6 heavy broad axe.
 24327 | D:14     | 24327 ||| SWAPPING to +9 broad axe "Kosum" {antimagic,
                  | rC+}.
 24328 | D:14     | 24328 ||| SWAPPING to +6 heavy broad axe.
 24329 | D:14     | 24329 ||| SWAPPING to +9 broad axe "Kosum" {antimagic,
                  | rC+}.
 24330 | D:14     | 24330 ||| SWAPPING to +6 heavy broad axe.
 24331 | D:14     | 24331 ||| SWAPPING to +9 broad axe "Kosum" {antimagic,
                  | rC+}.
 24332 | D:14     | 24332 ||| SWAPPING to +6 heavy broad axe.
 24333 | D:14     | 24333 ||| SWAPPING to +9 broad axe "Kosum" {antimagic,
                  | rC+}.
 24334 | D:14     | 24334 ||| SWAPPING to +6 heavy broad axe.
 24335 | D:14     | 24335 ||| SWAPPING to +9 broad axe "Kosum" {antimagic,
                  | rC+}.
 24336 | D:14     | 24336 ||| SWAPPING to +6 heavy broad axe.
 24337 | D:14     | 24337 ||| SWAPPING to +9 broad axe "Kosum" {antimagic,
                  | rC+}.
 24338 | D:14     | 24338 ||| SWAPPING to +6 heavy broad axe.
 24339 | D:14     | 24339 ||| SWAPPING to +9 broad axe "Kosum" {antimagic,
                  | rC+}.
 24340 | D:14     | 24340 ||| SWAPPING to +6 heavy broad axe.
 24341 | D:14     | 24341 ||| SWAPPING to +9 broad axe "Kosum" {antimagic,
                  | rC+}.
 24342 | D:14     | 24342 ||| SWAPPING to +6 heavy broad axe.
 24343 | D:14     | 24343 ||| SWAPPING to +9 broad axe "Kosum" {antimagic,
                  | rC+}.
 24344 | D:14     | 24344 ||| SWAPPING to +6 heavy broad axe.
 24345 | D:14     | 24345 ||| SWAPPING to +9 broad axe "Kosum" {antimagic,
                  | rC+}.
 24346 | D:14     | 24346 ||| SWAPPING to +6 heavy broad axe.
 24347 | D:14     | 24347 ||| SWAPPING to +9 broad axe "Kosum" {antimagic,
                  | rC+}.
 24348 | D:14     | 24348 ||| SWAPPING to +6 heavy broad axe.
 24349 | D:14     | 24349 ||| SWAPPING to +9 broad axe "Kosum" {antimagic,
                  | rC+}.
 24350 | D:14     | 24350 ||| SWAPPING to +6 heavy broad axe.
 24351 | D:14     | 24351 ||| SWAPPING to +9 broad axe "Kosum" {antimagic,
                  | rC+}.
 24352 | D:14     | 24352 ||| SWAPPING to +6 heavy broad axe.
 24353 | D:14     | 24353 ||| SWAPPING to +9 broad axe "Kosum" {antimagic,
                  | rC+}.
 24354 | D:14     | 24354 ||| SWAPPING to +6 heavy broad axe.
 24355 | D:14     | 24355 ||| SWAPPING to +9 broad axe "Kosum" {antimagic,
                  | rC+}.
 24356 | D:14     | 24356 ||| SWAPPING to +6 heavy broad axe.
 24357 | D:14     | 24357 ||| SWAPPING to +9 broad axe "Kosum" {antimagic,
                  | rC+}.
 24358 | D:14     | 24358 ||| SWAPPING to +6 heavy broad axe.
 24359 | D:14     | 24359 ||| SWAPPING to +9 broad axe "Kosum" {antimagic,
                  | rC+}.
 24360 | D:14     | 24360 ||| SWAPPING to +6 heavy broad axe.
 24361 | D:14     | 24361 ||| SWAPPING to +9 broad axe "Kosum" {antimagic,
                  | rC+}.
 24362 | D:14     | 24362 ||| SWAPPING to +6 heavy broad axe.
 24363 | D:14     | 24363 ||| SWAPPING to +9 broad axe "Kosum" {antimagic,
                  | rC+}.
 24364 | D:14     | 24364 ||| SWAPPING to +6 heavy broad axe.
 24365 | D:14     | 24365 ||| SWAPPING to +9 broad axe "Kosum" {antimagic,
                  | rC+}.
 24366 | D:14     | 24366 ||| SWAPPING to +6 heavy broad axe.
 24367 | D:14     | 24367 ||| SWAPPING to +9 broad axe "Kosum" {antimagic,
                  | rC+}.
 24368 | D:14     | 24368 ||| SWAPPING to +6 heavy broad axe.
 24369 | D:14     | 24369 ||| SWAPPING to +9 broad axe "Kosum" {antimagic,
                  | rC+}.
 24370 | D:14     | 24370 ||| SWAPPING to +6 heavy broad axe.
 24371 | D:14     | 24371 ||| SWAPPING to +9 broad axe "Kosum" {antimagic,
                  | rC+}.
 24372 | D:14     | 24372 ||| SWAPPING to +6 heavy broad axe.
 24373 | D:14     | 24373 ||| SWAPPING to +9 broad axe "Kosum" {antimagic,
                  | rC+}.
 24374 | D:14     | 24374 ||| SWAPPING to +6 heavy broad axe.
 24375 | D:14     | 24375 ||| SWAPPING to +9 broad axe "Kosum" {antimagic,
                  | rC+}.
 24376 | D:14     | 24376 ||| SWAPPING to +6 heavy broad axe.
 24377 | D:14     | 24377 ||| SWAPPING to +9 broad axe "Kosum" {antimagic,
                  | rC+}.
 24378 | D:14     | 24378 ||| SWAPPING to +6 heavy broad axe.
 24379 | D:14     | 24379 ||| SWAPPING to +9 broad axe "Kosum" {antimagic,
                  | rC+}.
 24380 | D:14     | 24380 ||| SWAPPING to +6 heavy broad axe.
 24381 | D:14     | 24381 ||| SWAPPING to +9 broad axe "Kosum" {antimagic,
                  | rC+}.
 24382 | D:14     | 24382 ||| SWAPPING to +6 heavy broad axe.
 24383 | D:14     | 24383 ||| SWAPPING to +9 broad axe "Kosum" {antimagic,
                  | rC+}.
 24384 | D:14     | 24384 ||| SWAPPING to +6 heavy broad axe.
 24385 | D:14     | 24385 ||| SWAPPING to +9 broad axe "Kosum" {antimagic,
                  | rC+}.
 24386 | D:14     | 24386 ||| SWAPPING to +6 heavy broad axe.
 24387 | D:14     | 24387 ||| SWAPPING to +9 broad axe "Kosum" {antimagic,
                  | rC+}.
 24388 | D:14     | 24388 ||| SWAPPING to +6 heavy broad axe.
 24389 | D:14     | 24389 ||| SWAPPING to +9 broad axe "Kosum" {antimagic,
                  | rC+}.
 24390 | D:14     | 24390 ||| SWAPPING to +6 heavy broad axe.
 24391 | D:14     | 24391 ||| SWAPPING to +9 broad axe "Kosum" {antimagic,
                  | rC+}.
 24392 | D:14     | 24392 ||| SWAPPING to +6 heavy broad axe.
 24393 | D:14     | 24393 ||| SWAPPING to +9 broad axe "Kosum" {antimagic,
                  | rC+}.
 24394 | D:14     | 24394 ||| SWAPPING to +6 heavy broad axe.
 24395 | D:14     | 24395 ||| SWAPPING to +9 broad axe "Kosum" {antimagic,
                  | rC+}.
 24396 | D:14     | 24396 ||| SWAPPING to +6 heavy broad axe.
 24397 | D:14     | 24397 ||| SWAPPING to +9 broad axe "Kosum" {antimagic,
                  | rC+}.
 24398 | D:14     | 24398 ||| SWAPPING to +6 heavy broad axe.
 24399 | D:14     | 24399 ||| SWAPPING to +9 broad axe "Kosum" {antimagic,
                  | rC+}.
 24400 | D:14     | 24400 ||| SWAPPING to +6 heavy broad axe.
 24401 | D:14     | 24401 ||| SWAPPING to +9 broad axe "Kosum" {antimagic,
                  | rC+}.
 24402 | D:14     | 24402 ||| SWAPPING to +6 heavy broad axe.
 24403 | D:14     | 24403 ||| SWAPPING to +9 broad axe "Kosum" {antimagic,
                  | rC+}.
 24404 | D:14     | 24404 ||| SWAPPING to +6 heavy broad axe.
 24405 | D:14     | 24405 ||| SWAPPING to +9 broad axe "Kosum" {antimagic,
                  | rC+}.
 24406 | D:14     | 24406 ||| SWAPPING to +6 heavy broad axe.
 24407 | D:14     | 24407 ||| SWAPPING to +9 broad axe "Kosum" {antimagic,
                  | rC+}.
 24408 | D:14     | 24408 ||| SWAPPING to +6 heavy broad axe.
 24409 | D:14     | 24409 ||| SWAPPING to +9 broad axe "Kosum" {antimagic,
                  | rC+}.
 24410 | D:14     | 24410 ||| SWAPPING to +6 heavy broad axe.
 24411 | D:14     | 24411 ||| SWAPPING to +9 broad axe "Kosum" {antimagic,
                  | rC+}.
 24412 | D:14     | 24412 ||| SWAPPING to +6 heavy broad axe.
 24413 | D:14     | 24413 ||| SWAPPING to +9 broad axe "Kosum" {antimagic,
                  | rC+}.
 24414 | D:14     | 24414 ||| SWAPPING to +6 heavy broad axe.
 24415 | D:14     | 24415 ||| SWAPPING to +9 broad axe "Kosum" {antimagic,
                  | rC+}.
 24416 | D:14     | 24416 ||| SWAPPING to +6 heavy broad axe.
 24417 | D:14     | 24417 ||| SWAPPING to +9 broad axe "Kosum" {antimagic,
                  | rC+}.
 24418 | D:14     | 24418 ||| SWAPPING to +6 heavy broad axe.
 24419 | D:14     | 24419 ||| SWAPPING to +9 broad axe "Kosum" {antimagic,
                  | rC+}.
 24420 | D:14     | 24420 ||| SWAPPING to +6 heavy broad axe.
 24421 | D:14     | 24421 ||| SWAPPING to +9 broad axe "Kosum" {antimagic,
                  | rC+}.
 24422 | D:14     | 24422 ||| SWAPPING to +6 heavy broad axe.
 24423 | D:14     | 24423 ||| SWAPPING to +9 broad axe "Kosum" {antimagic,
                  | rC+}.
 24424 | D:14     | 24424 ||| SWAPPING to +6 heavy broad axe.
 24425 | D:14     | 24425 ||| SWAPPING to +9 broad axe "Kosum" {antimagic,
                  | rC+}.
 24426 | D:14     | 24426 ||| SWAPPING to +6 heavy broad axe.
 24427 | D:14     | 24427 ||| SWAPPING to +9 broad axe "Kosum" {antimagic,
                  | rC+}.
 24428 | D:14     | 24428 ||| SWAPPING to +6 heavy broad axe.
 24429 | D:14     | 24429 ||| SWAPPING to +9 broad axe "Kosum" {antimagic,
                  | rC+}.
 24430 | D:14     | 24430 ||| SWAPPING to +6 heavy broad axe.
 24431 | D:14     | 24431 ||| SWAPPING to +9 broad axe "Kosum" {antimagic,
                  | rC+}.
 24432 | D:14     | 24432 ||| SWAPPING to +6 heavy broad axe.
 24433 | D:14     | 24433 ||| SWAPPING to +9 broad axe "Kosum" {antimagic,
                  | rC+}.
 24434 | D:14     | 24434 ||| SWAPPING to +6 heavy broad axe.
 24435 | D:14     | 24435 ||| SWAPPING to +9 broad axe "Kosum" {antimagic,
                  | rC+}.
 24436 | D:14     | 24436 ||| SWAPPING to +6 heavy broad axe.
 24437 | D:14     | 24437 ||| SWAPPING to +9 broad axe "Kosum" {antimagic,
                  | rC+}.
 24438 | D:14     | 24438 ||| SWAPPING to +6 heavy broad axe.
 24439 | D:14     | 24439 ||| SWAPPING to +9 broad axe "Kosum" {antimagic,
                  | rC+}.
 24440 | D:14     | 24440 ||| SWAPPING to +6 heavy broad axe.
 24441 | D:14     | 24441 ||| SWAPPING to +9 broad axe "Kosum" {antimagic,
                  | rC+}.
 24442 | D:14     | 24442 ||| SWAPPING to +6 heavy broad axe.
 24443 | D:14     | 24443 ||| SWAPPING to +9 broad axe "Kosum" {antimagic,
                  | rC+}.
 24444 | D:14     | 24444 ||| SWAPPING to +6 heavy broad axe.
 24445 | D:14     | 24445 ||| SWAPPING to +9 broad axe "Kosum" {antimagic,
                  | rC+}.
 24446 | D:14     | 24446 ||| SWAPPING to +6 heavy broad axe.
 24447 | D:14     | 24447 ||| SWAPPING to +9 broad axe "Kosum" {antimagic,
                  | rC+}.
 24448 | D:14     | 24448 ||| SWAPPING to +6 heavy broad axe.
 24449 | D:14     | 24449 ||| SWAPPING to +9 broad axe "Kosum" {antimagic,
                  | rC+}.
 24450 | D:14     | 24450 ||| SWAPPING to +6 heavy broad axe.
 24451 | D:14     | 24451 ||| SWAPPING to +9 broad axe "Kosum" {antimagic,
                  | rC+}.
 24452 | D:14     | 24452 ||| SWAPPING to +6 heavy broad axe.
 24453 | D:14     | 24453 ||| SWAPPING to +9 broad axe "Kosum" {antimagic,
                  | rC+}.
 24454 | D:14     | 24454 ||| SWAPPING to +6 heavy broad axe.
 24455 | D:14     | 24455 ||| SWAPPING to +9 broad axe "Kosum" {antimagic,
                  | rC+}.
 24456 | D:14     | 24456 ||| SWAPPING to +6 heavy broad axe.
 24457 | D:14     | 24457 ||| SWAPPING to +9 broad axe "Kosum" {antimagic,
                  | rC+}.
 24458 | D:14     | 24458 ||| SWAPPING to +6 heavy broad axe.
 24459 | D:14     | 24459 ||| SWAPPING to +9 broad axe "Kosum" {antimagic,
                  | rC+}.
 24460 | D:14     | 24460 ||| SWAPPING to +6 heavy broad axe.
 24461 | D:14     | 24461 ||| SWAPPING to +9 broad axe "Kosum" {antimagic,
                  | rC+}.
 24462 | D:14     | 24462 ||| SWAPPING to +6 heavy broad axe.
 24463 | D:14     | 24463 ||| SWAPPING to +9 broad axe "Kosum" {antimagic,
                  | rC+}.
 24464 | D:14     | 24464 ||| SWAPPING to +6 heavy broad axe.
 24465 | D:14     | 24465 ||| SWAPPING to +9 broad axe "Kosum" {antimagic,
                  | rC+}.
 24466 | D:14     | 24466 ||| SWAPPING to +6 heavy broad axe.
 24467 | D:14     | 24467 ||| SWAPPING to +9 broad axe "Kosum" {antimagic,
                  | rC+}.
 24468 | D:14     | 24468 ||| SWAPPING to +6 heavy broad axe.
 24469 | D:14     | 24469 ||| SWAPPING to +9 broad axe "Kosum" {antimagic,
                  | rC+}.
 24470 | D:14     | 24470 ||| SWAPPING to +6 heavy broad axe.
 24471 | D:14     | 24471 ||| SWAPPING to +9 broad axe "Kosum" {antimagic,
                  | rC+}.
 24472 | D:14     | 24472 ||| SWAPPING to +6 heavy broad axe.
 24473 | D:14     | 24473 ||| SWAPPING to +9 broad axe "Kosum" {antimagic,
                  | rC+}.
 24474 | D:14     | 24474 ||| SWAPPING to +6 heavy broad axe.
 24475 | D:14     | 24475 ||| SWAPPING to +9 broad axe "Kosum" {antimagic,
                  | rC+}.
 24476 | D:14     | 24476 ||| SWAPPING to +6 heavy broad axe.
 24477 | D:14     | 24477 ||| SWAPPING to +9 broad axe "Kosum" {antimagic,
                  | rC+}.
 24478 | D:14     | 24478 ||| SWAPPING to +6 heavy broad axe.
 24479 | D:14     | 24479 ||| SWAPPING to +9 broad axe "Kosum" {antimagic,
                  | rC+}.
 24480 | D:14     | 24480 ||| SWAPPING to +6 heavy broad axe.
 24481 | D:14     | 24481 ||| SWAPPING to +9 broad axe "Kosum" {antimagic,
                  | rC+}.
 24482 | D:14     | 24482 ||| SWAPPING to +6 heavy broad axe.
 24483 | D:14     | 24483 ||| SWAPPING to +9 broad axe "Kosum" {antimagic,
                  | rC+}.
 24484 | D:14     | 24484 ||| SWAPPING to +6 heavy broad axe.
 24485 | D:14     | 24485 ||| SWAPPING to +9 broad axe "Kosum" {antimagic,
                  | rC+}.
 24486 | D:14     | 24486 ||| SWAPPING to +6 heavy broad axe.
 24487 | D:14     | 24487 ||| SWAPPING to +9 broad axe "Kosum" {antimagic,
                  | rC+}.
 24488 | D:14     | 24488 ||| SWAPPING to +6 heavy broad axe.
 24489 | D:14     | 24489 ||| SWAPPING to +9 broad axe "Kosum" {antimagic,
                  | rC+}.
 24490 | D:14     | 24490 ||| SWAPPING to +6 heavy broad axe.
 24491 | D:14     | 24491 ||| SWAPPING to +9 broad axe "Kosum" {antimagic,
                  | rC+}.
 24492 | D:14     | 24492 ||| SWAPPING to +6 heavy broad axe.
 24493 | D:14     | 24493 ||| SWAPPING to +9 broad axe "Kosum" {antimagic,
                  | rC+}.
 24494 | D:14     | 24494 ||| SWAPPING to +6 heavy broad axe.
 24495 | D:14     | 24495 ||| SWAPPING to +9 broad axe "Kosum" {antimagic,
                  | rC+}.
 24496 | D:14     | 24496 ||| SWAPPING to +6 heavy broad axe.
 24497 | D:14     | 24497 ||| SWAPPING to +9 broad axe "Kosum" {antimagic,
                  | rC+}.
 24498 | D:14     | 24498 ||| SWAPPING to +6 heavy broad axe.
 24499 | D:14     | 24499 ||| SWAPPING to +9 broad axe "Kosum" {antimagic,
                  | rC+}.
 24500 | D:14     | 24500 ||| SWAPPING to +6 heavy broad axe.
 24501 | D:14     | 24501 ||| SWAPPING to +9 broad axe "Kosum" {antimagic,
                  | rC+}.
 24502 | D:14     | 24502 ||| SWAPPING to +6 heavy broad axe.
 24503 | D:14     | 24503 ||| SWAPPING to +9 broad axe "Kosum" {antimagic,
                  | rC+}.
 24504 | D:14     | 24504 ||| SWAPPING to +6 heavy broad axe.
 24505 | D:14     | 24505 ||| SWAPPING to +9 broad axe "Kosum" {antimagic,
                  | rC+}.
 24506 | D:14     | 24506 ||| SWAPPING to +6 heavy broad axe.
 24507 | D:14     | 24507 ||| SWAPPING to +9 broad axe "Kosum" {antimagic,
                  | rC+}.
 24508 | D:14     | 24508 ||| SWAPPING to +6 heavy broad axe.
 24509 | D:14     | 24509 ||| SWAPPING to +9 broad axe "Kosum" {antimagic,
                  | rC+}.
 24510 | D:14     | 24510 ||| SWAPPING to +6 heavy broad axe.
 24511 | D:14     | 24511 ||| SWAPPING to +9 broad axe "Kosum" {antimagic,
                  | rC+}.
 24512 | D:14     | 24512 ||| SWAPPING to +6 heavy broad axe.
 24513 | D:14     | 24513 ||| SWAPPING to +9 broad axe "Kosum" {antimagic,
                  | rC+}.
 24514 | D:14     | 24514 ||| SWAPPING to +6 heavy broad axe.
 24515 | D:14     | 24515 ||| SWAPPING to +9 broad axe "Kosum" {antimagic,
                  | rC+}.
 24516 | D:14     | 24516 ||| SWAPPING to +6 heavy broad axe.
 24517 | D:14     | 24517 ||| SWAPPING to +9 broad axe "Kosum" {antimagic,
                  | rC+}.
 24518 | D:14     | 24518 ||| SWAPPING to +6 heavy broad axe.
 24519 | D:14     | 24519 ||| SWAPPING to +9 broad axe "Kosum" {antimagic,
                  | rC+}.
 24520 | D:14     | 24520 ||| SWAPPING to +6 heavy broad axe.
 24521 | D:14     | 24521 ||| SWAPPING to +9 broad axe "Kosum" {antimagic,
                  | rC+}.
 24522 | D:14     | 24522 ||| SWAPPING to +6 heavy broad axe.
 24523 | D:14     | 24523 ||| SWAPPING to +9 broad axe "Kosum" {antimagic,
                  | rC+}.
 24524 | D:14     | 24524 ||| SWAPPING to +6 heavy broad axe.
 24525 | D:14     | 24525 ||| SWAPPING to +9 broad axe "Kosum" {antimagic,
                  | rC+}.
 24526 | D:14     | 24526 ||| SWAPPING to +6 heavy broad axe.
 24527 | D:14     | 24527 ||| SWAPPING to +9 broad axe "Kosum" {antimagic,
                  | rC+}.
 24528 | D:14     | 24528 ||| SWAPPING to +6 heavy broad axe.
 24529 | D:14     | 24529 ||| SWAPPING to +9 broad axe "Kosum" {antimagic,
                  | rC+}.
 24530 | D:14     | 24530 ||| SWAPPING to +6 heavy broad axe.
 24531 | D:14     | 24531 ||| SWAPPING to +9 broad axe "Kosum" {antimagic,
                  | rC+}.
 24532 | D:14     | 24532 ||| SWAPPING to +6 heavy broad axe.
 24533 | D:14     | 24533 ||| SWAPPING to +9 broad axe "Kosum" {antimagic,
                  | rC+}.
 24534 | D:14     | 24534 ||| SWAPPING to +6 heavy broad axe.
 24535 | D:14     | 24535 ||| SWAPPING to +9 broad axe "Kosum" {antimagic,
                  | rC+}.
 24536 | D:14     | 24536 ||| SWAPPING to +6 heavy broad axe.
 24537 | D:14     | 24537 ||| SWAPPING to +9 broad axe "Kosum" {antimagic,
                  | rC+}.
 24538 | D:14     | 24538 ||| SWAPPING to +6 heavy broad axe.
 24539 | D:14     | 24539 ||| SWAPPING to +9 broad axe "Kosum" {antimagic,
                  | rC+}.
 24540 | D:14     | 24540 ||| SWAPPING to +6 heavy broad axe.
 24541 | D:14     | 24541 ||| SWAPPING to +9 broad axe "Kosum" {antimagic,
                  | rC+}.
 24542 | D:14     | 24542 ||| SWAPPING to +6 heavy broad axe.
 24543 | D:14     | 24543 ||| SWAPPING to +9 broad axe "Kosum" {antimagic,
                  | rC+}.
 24544 | D:14     | 24544 ||| SWAPPING to +6 heavy broad axe.
 24545 | D:14     | 24545 ||| SWAPPING to +9 broad axe "Kosum" {antimagic,
                  | rC+}.
 24546 | D:14     | 24546 ||| SWAPPING to +6 heavy broad axe.
 24547 | D:14     | 24547 ||| SWAPPING to +9 broad axe "Kosum" {antimagic,
                  | rC+}.
 24548 | D:14     | 24548 ||| SWAPPING to +6 heavy broad axe.
 24549 | D:14     | 24549 ||| SWAPPING to +9 broad axe "Kosum" {antimagic,
                  | rC+}.
 24550 | D:14     | 24550 ||| SWAPPING to +6 heavy broad axe.
 24551 | D:14     | 24551 ||| SWAPPING to +9 broad axe "Kosum" {antimagic,
                  | rC+}.
 24552 | D:14     | 24552 ||| SWAPPING to +6 heavy broad axe.
 24553 | D:14     | 24553 ||| SWAPPING to +9 broad axe "Kosum" {antimagic,
                  | rC+}.
 24554 | D:14     | 24554 ||| SWAPPING to +6 heavy broad axe.
 24555 | D:14     | 24555 ||| SWAPPING to +9 broad axe "Kosum" {antimagic,
                  | rC+}.
 24556 | D:14     | 24556 ||| SWAPPING to +6 heavy broad axe.
 24557 | D:14     | 24557 ||| SWAPPING to +9 broad axe "Kosum" {antimagic,
                  | rC+}.
 24558 | D:14     | 24558 ||| SWAPPING to +6 heavy broad axe.
 24559 | D:14     | 24559 ||| SWAPPING to +9 broad axe "Kosum" {antimagic,
                  | rC+}.
 24560 | D:14     | 24560 ||| SWAPPING to +6 heavy broad axe.
 24561 | D:14     | 24561 ||| SWAPPING to +9 broad axe "Kosum" {antimagic,
                  | rC+}.
 24562 | D:14     | 24562 ||| SWAPPING to +6 heavy broad axe.
 24563 | D:14     | 24563 ||| SWAPPING to +9 broad axe "Kosum" {antimagic,
                  | rC+}.
 24564 | D:14     | 24564 ||| SWAPPING to +6 heavy broad axe.
 24565 | D:14     | 24565 ||| SWAPPING to +9 broad axe "Kosum" {antimagic,
                  | rC+}.
 24566 | D:14     | 24566 ||| SWAPPING to +6 heavy broad axe.
 24567 | D:14     | 24567 ||| SWAPPING to +9 broad axe "Kosum" {antimagic,
                  | rC+}.
 24568 | D:14     | 24568 ||| SWAPPING to +6 heavy broad axe.
 24569 | D:14     | 24569 ||| SWAPPING to +9 broad axe "Kosum" {antimagic,
                  | rC+}.
 24570 | D:14     | 24570 ||| SWAPPING to +6 heavy broad axe.
 24571 | D:14     | 24571 ||| SWAPPING to +9 broad axe "Kosum" {antimagic,
                  | rC+}.
 24572 | D:14     | 24572 ||| SWAPPING to +6 heavy broad axe.
 24573 | D:14     | 24573 ||| SWAPPING to +9 broad axe "Kosum" {antimagic,
                  | rC+}.
 24574 | D:14     | 24574 ||| SWAPPING to +6 heavy broad axe.
 24575 | D:14     | 24575 ||| SWAPPING to +9 broad axe "Kosum" {antimagic,
                  | rC+}.
 24576 | D:14     | 24576 ||| SWAPPING to +6 heavy broad axe.
 24577 | D:14     | 24577 ||| SWAPPING to +9 broad axe "Kosum" {antimagic,
                  | rC+}.
 24578 | D:14     | 24578 ||| SWAPPING to +6 heavy broad axe.
 24579 | D:14     | 24579 ||| SWAPPING to +9 broad axe "Kosum" {antimagic,
                  | rC+}.
 24580 | D:14     | 24580 ||| SWAPPING to +6 heavy broad axe.
 24581 | D:14     | 24581 ||| SWAPPING to +9 broad axe "Kosum" {antimagic,
                  | rC+}.
 24582 | D:14     | 24582 ||| SWAPPING to +6 heavy broad axe.
 24583 | D:14     | 24583 ||| SWAPPING to +9 broad axe "Kosum" {antimagic,
                  | rC+}.
 24584 | D:14     | 24584 ||| SWAPPING to +6 heavy broad axe.
 24585 | D:14     | 24585 ||| SWAPPING to +9 broad axe "Kosum" {antimagic,
                  | rC+}.
 24586 | D:14     | 24586 ||| SWAPPING to +6 heavy broad axe.
 24587 | D:14     | 24587 ||| SWAPPING to +9 broad axe "Kosum" {antimagic,
                  | rC+}.
 24588 | D:14     | 24588 ||| SWAPPING to +6 heavy broad axe.
 24589 | D:14     | 24589 ||| SWAPPING to +9 broad axe "Kosum" {antimagic,
                  | rC+}.
 24590 | D:14     | 24590 ||| SWAPPING to +6 heavy broad axe.
 24591 | D:14     | 24591 ||| SWAPPING to +9 broad axe "Kosum" {antimagic,
                  | rC+}.
 24592 | D:14     | 24592 ||| SWAPPING to +6 heavy broad axe.
 24593 | D:14     | 24593 ||| SWAPPING to +9 broad axe "Kosum" {antimagic,
                  | rC+}.
 24594 | D:14     | 24594 ||| SWAPPING to +6 heavy broad axe.
 24595 | D:14     | 24595 ||| SWAPPING to +9 broad axe "Kosum" {antimagic,
                  | rC+}.
 24596 | D:14     | 24596 ||| SWAPPING to +6 heavy broad axe.
 24597 | D:14     | 24597 ||| SWAPPING to +9 broad axe "Kosum" {antimagic,
                  | rC+}.
 24598 | D:14     | 24598 ||| SWAPPING to +6 heavy broad axe.
 24599 | D:14     | 24599 ||| SWAPPING to +9 broad axe "Kosum" {antimagic,
                  | rC+}.
 24600 | D:14     | 24600 ||| SWAPPING to +6 heavy broad axe.
 24601 | D:14     | 24601 ||| SWAPPING to +9 broad axe "Kosum" {antimagic,
                  | rC+}.
 24602 | D:14     | 24602 ||| SWAPPING to +6 heavy broad axe.
 24603 | D:14     | 24603 ||| SWAPPING to +9 broad axe "Kosum" {antimagic,
                  | rC+}.
 24604 | D:14     | 24604 ||| SWAPPING to +6 heavy broad axe.
 24605 | D:14     | 24605 ||| SWAPPING to +9 broad axe "Kosum" {antimagic,
                  | rC+}.
 24606 | D:14     | 24606 ||| SWAPPING to +6 heavy broad axe.
 24607 | D:14     | 24607 ||| SWAPPING to +9 broad axe "Kosum" {antimagic,
                  | rC+}.
 24608 | D:14     | 24608 ||| SWAPPING to +6 heavy broad axe.
 24609 | D:14     | 24609 ||| SWAPPING to +9 broad axe "Kosum" {antimagic,
                  | rC+}.
 24610 | D:14     | 24610 ||| SWAPPING to +6 heavy broad axe.
 24611 | D:14     | 24611 ||| SWAPPING to +9 broad axe "Kosum" {antimagic,
                  | rC+}.
 24612 | D:14     | 24612 ||| SWAPPING to +6 heavy broad axe.
 24613 | D:14     | 24613 ||| SWAPPING to +9 broad axe "Kosum" {antimagic,
                  | rC+}.
 24614 | D:14     | 24614 ||| SWAPPING to +6 heavy broad axe.
 24615 | D:14     | 24615 ||| SWAPPING to +9 broad axe "Kosum" {antimagic,
                  | rC+}.
 24616 | D:14     | 24616 ||| SWAPPING to +6 heavy broad axe.
 24617 | D:14     | 24617 ||| SWAPPING to +9 broad axe "Kosum" {antimagic,
                  | rC+}.
 24618 | D:14     | 24618 ||| SWAPPING to +6 heavy broad axe.
 24619 | D:14     | 24619 ||| SWAPPING to +9 broad axe "Kosum" {antimagic,
                  | rC+}.
 24620 | D:14     | 24620 ||| SWAPPING to +6 heavy broad axe.
 24621 | D:14     | 24621 ||| SWAPPING to +9 broad axe "Kosum" {antimagic,
                  | rC+}.
 24622 | D:14     | 24622 ||| SWAPPING to +6 heavy broad axe.
 24623 | D:14     | 24623 ||| SWAPPING to +9 broad axe "Kosum" {antimagic,
                  | rC+}.
 24624 | D:14     | 24624 ||| SWAPPING to +6 heavy broad axe.
 24625 | D:14     | 24625 ||| SWAPPING to +9 broad axe "Kosum" {antimagic,
                  | rC+}.
 24626 | D:14     | 24626 ||| SWAPPING to +6 heavy broad axe.
 24627 | D:14     | 24627 ||| SWAPPING to +9 broad axe "Kosum" {antimagic,
                  | rC+}.
 24628 | D:14     | 24628 ||| SWAPPING to +6 heavy broad axe.
 24629 | D:14     | 24629 ||| SWAPPING to +9 broad axe "Kosum" {antimagic,
                  | rC+}.
 24630 | D:14     | 24630 ||| SWAPPING to +6 heavy broad axe.
 24631 | D:14     | 24631 ||| SWAPPING to +9 broad axe "Kosum" {antimagic,
                  | rC+}.
 24632 | D:14     | 24632 ||| SWAPPING to +6 heavy broad axe.
 24633 | D:14     | 24633 ||| SWAPPING to +9 broad axe "Kosum" {antimagic,
                  | rC+}.
 24634 | D:14     | 24634 ||| SWAPPING to +6 heavy broad axe.
 24635 | D:14     | 24635 ||| SWAPPING to +9 broad axe "Kosum" {antimagic,
                  | rC+}.
 24636 | D:14     | 24636 ||| SWAPPING to +6 heavy broad axe.
 24637 | D:14     | 24637 ||| SWAPPING to +9 broad axe "Kosum" {antimagic,
                  | rC+}.
 24638 | D:14     | 24638 ||| SWAPPING to +6 heavy broad axe.
 24639 | D:14     | 24639 ||| SWAPPING to +9 broad axe "Kosum" {antimagic,
                  | rC+}.
 24640 | D:14     | 24640 ||| SWAPPING to +6 heavy broad axe.
 24641 | D:14     | 24641 ||| SWAPPING to +9 broad axe "Kosum" {antimagic,
                  | rC+}.
 24642 | D:14     | 24642 ||| SWAPPING to +6 heavy broad axe.
 24643 | D:14     | 24643 ||| SWAPPING to +9 broad axe "Kosum" {antimagic,
                  | rC+}.
 24644 | D:14     | 24644 ||| SWAPPING to +6 heavy broad axe.
 24645 | D:14     | 24645 ||| SWAPPING to +9 broad axe "Kosum" {antimagic,
                  | rC+}.
 24646 | D:14     | 24646 ||| SWAPPING to +6 heavy broad axe.
 24647 | D:14     | 24647 ||| SWAPPING to +9 broad axe "Kosum" {antimagic,
                  | rC+}.
 24648 | D:14     | 24648 ||| SWAPPING to +6 heavy broad axe.
 24649 | D:14     | 24649 ||| SWAPPING to +9 broad axe "Kosum" {antimagic,
                  | rC+}.
 24650 | D:14     | 24650 ||| SWAPPING to +6 heavy broad axe.
 24651 | D:14     | 24651 ||| SWAPPING to +9 broad axe "Kosum" {antimagic,
                  | rC+}.
 24652 | D:14     | 24652 ||| SWAPPING to +6 heavy broad axe.
 24653 | D:14     | 24653 ||| SWAPPING to +9 broad axe "Kosum" {antimagic,
                  | rC+}.
 24654 | D:14     | 24654 ||| SWAPPING to +6 heavy broad axe.
 24655 | D:14     | 24655 ||| SWAPPING to +9 broad axe "Kosum" {antimagic,
                  | rC+}.
 24656 | D:14     | 24656 ||| SWAPPING to +6 heavy broad axe.
 24657 | D:14     | 24657 ||| SWAPPING to +9 broad axe "Kosum" {antimagic,
                  | rC+}.
 24658 | D:14     | 24658 ||| SWAPPING to +6 heavy broad axe.
 24659 | D:14     | 24659 ||| SWAPPING to +9 broad axe "Kosum" {antimagic,
                  | rC+}.
 24660 | D:14     | 24660 ||| SWAPPING to +6 heavy broad axe.
 24661 | D:14     | 24661 ||| SWAPPING to +9 broad axe "Kosum" {antimagic,
                  | rC+}.
 24662 | D:14     | 24662 ||| SWAPPING to +6 heavy broad axe.
 24663 | D:14     | 24663 ||| SWAPPING to +9 broad axe "Kosum" {antimagic,
                  | rC+}.
 24664 | D:14     | 24664 ||| SWAPPING to +6 heavy broad axe.
 24665 | D:14     | 24665 ||| SWAPPING to +9 broad axe "Kosum" {antimagic,
                  | rC+}.
 24666 | D:14     | 24666 ||| SWAPPING to +6 heavy broad axe.
 24667 | D:14     | 24667 ||| SWAPPING to +9 broad axe "Kosum" {antimagic,
                  | rC+}.
 24668 | D:14     | 24668 ||| SWAPPING to +6 heavy broad axe.
 24669 | D:14     | 24669 ||| SWAPPING to +9 broad axe "Kosum" {antimagic,
                  | rC+}.
 24670 | D:14     | 24670 ||| SWAPPING to +6 heavy broad axe.
 24671 | D:14     | 24671 ||| SWAPPING to +9 broad axe "Kosum" {antimagic,
                  | rC+}.
 24672 | D:14     | 24672 ||| SWAPPING to +6 heavy broad axe.
 24673 | D:14     | 24673 ||| SWAPPING to +9 broad axe "Kosum" {antimagic,
                  | rC+}.
 24674 | D:14     | 24674 ||| SWAPPING to +6 heavy broad axe.
 24675 | D:14     | 24675 ||| SWAPPING to +9 broad axe "Kosum" {antimagic,
                  | rC+}.
 24676 | D:14     | 24676 ||| SWAPPING to +6 heavy broad axe.
 24677 | D:14     | 24677 ||| SWAPPING to +9 broad axe "Kosum" {antimagic,
                  | rC+}.
 24678 | D:14     | 24678 ||| SWAPPING to +6 heavy broad axe.
 24679 | D:14     | 24679 ||| SWAPPING to +9 broad axe "Kosum" {antimagic,
                  | rC+}.
 24680 | D:14     | 24680 ||| SWAPPING to +6 heavy broad axe.
 24681 | D:14     | 24681 ||| SWAPPING to +9 broad axe "Kosum" {antimagic,
                  | rC+}.
 24682 | D:14     | 24682 ||| SWAPPING to +6 heavy broad axe.
 24683 | D:14     | 24683 ||| SWAPPING to +9 broad axe "Kosum" {antimagic,
                  | rC+}.
 24684 | D:14     | 24684 ||| SWAPPING to +6 heavy broad axe.
 24685 | D:14     | 24685 ||| SWAPPING to +9 broad axe "Kosum" {antimagic,
                  | rC+}.
 24686 | D:14     | 24686 ||| SWAPPING to +6 heavy broad axe.
 24687 | D:14     | 24687 ||| SWAPPING to +9 broad axe "Kosum" {antimagic,
                  | rC+}.
 24688 | D:14     | 24688 ||| SWAPPING to +6 heavy broad axe.
 24689 | D:14     | 24689 ||| SWAPPING to +9 broad axe "Kosum" {antimagic,
                  | rC+}.
 24690 | D:14     | 24690 ||| SWAPPING to +6 heavy broad axe.
 24691 | D:14     | 24691 ||| SWAPPING to +9 broad axe "Kosum" {antimagic,
                  | rC+}.
 24692 | D:14     | 24692 ||| SWAPPING to +6 heavy broad axe.
 24693 | D:14     | 24693 ||| SWAPPING to +9 broad axe "Kosum" {antimagic,
                  | rC+}.
 24694 | D:14     | 24694 ||| SWAPPING to +6 heavy broad axe.
 24695 | D:14     | 24695 ||| SWAPPING to +9 broad axe "Kosum" {antimagic,
                  | rC+}.
 24696 | D:14     | 24696 ||| SWAPPING to +6 heavy broad axe.
 24697 | D:14     | 24697 ||| SWAPPING to +9 broad axe "Kosum" {antimagic,
                  | rC+}.
 24698 | D:14     | 24698 ||| SWAPPING to +6 heavy broad axe.
 24699 | D:14     | 24699 ||| SWAPPING to +9 broad axe "Kosum" {antimagic,
                  | rC+}.
 24700 | D:14     | 24700 ||| SWAPPING to +6 heavy broad axe.
 24701 | D:14     | 24701 ||| SWAPPING to +9 broad axe "Kosum" {antimagic,
                  | rC+}.
 24702 | D:14     | 24702 ||| SWAPPING to +6 heavy broad axe.
 24703 | D:14     | 24703 ||| SWAPPING to +9 broad axe "Kosum" {antimagic,
                  | rC+}.
 24704 | D:14     | 24704 ||| SWAPPING to +6 heavy broad axe.
 24705 | D:14     | 24705 ||| SWAPPING to +9 broad axe "Kosum" {antimagic,
                  | rC+}.
 24706 | D:14     | 24706 ||| SWAPPING to +6 heavy broad axe.
 24707 | D:14     | 24707 ||| SWAPPING to +9 broad axe "Kosum" {antimagic,
                  | rC+}.
 24708 | D:14     | 24708 ||| SWAPPING to +6 heavy broad axe.
 24709 | D:14     | 24709 ||| SWAPPING to +9 broad axe "Kosum" {antimagic,
                  | rC+}.
 24710 | D:14     | 24710 ||| SWAPPING to +6 heavy broad axe.
 24711 | D:14     | 24711 ||| SWAPPING to +9 broad axe "Kosum" {antimagic,
                  | rC+}.
 24712 | D:14     | 24712 ||| SWAPPING to +6 heavy broad axe.
 24713 | D:14     | 24713 ||| SWAPPING to +9 broad axe "Kosum" {antimagic,
                  | rC+}.
 24714 | D:14     | 24714 ||| SWAPPING to +6 heavy broad axe.
 24715 | D:14     | 24715 ||| SWAPPING to +9 broad axe "Kosum" {antimagic,
                  | rC+}.
 24716 | D:14     | 24716 ||| SWAPPING to +6 heavy broad axe.
 24717 | D:14     | 24717 ||| SWAPPING to +9 broad axe "Kosum" {antimagic,
                  | rC+}.
 24718 | D:14     | 24718 ||| SWAPPING to +6 heavy broad axe.
 24719 | D:14     | 24719 ||| SWAPPING to +9 broad axe "Kosum" {antimagic,
                  | rC+}.
 24720 | D:14     | 24720 ||| SWAPPING to +6 heavy broad axe.
 24721 | D:14     | 24721 ||| SWAPPING to +9 broad axe "Kosum" {antimagic,
                  | rC+}.
 24722 | D:14     | 24722 ||| SWAPPING to +6 heavy broad axe.
 24723 | D:14     | 24723 ||| SWAPPING to +9 broad axe "Kosum" {antimagic,
                  | rC+}.
 24724 | D:14     | 24724 ||| SWAPPING to +6 heavy broad axe.
 24725 | D:14     | 24725 ||| SWAPPING to +9 broad axe "Kosum" {antimagic,
                  | rC+}.
 24726 | D:14     | 24726 ||| SWAPPING to +6 heavy broad axe.
 24727 | D:14     | 24727 ||| SWAPPING to +9 broad axe "Kosum" {antimagic,
                  | rC+}.
 24728 | D:14     | 24728 ||| SWAPPING to +6 heavy broad axe.
 24729 | D:14     | 24729 ||| SWAPPING to +9 broad axe "Kosum" {antimagic,
                  | rC+}.
 24730 | D:14     | 24730 ||| SWAPPING to +6 heavy broad axe.
 24731 | D:14     | 24731 ||| SWAPPING to +9 broad axe "Kosum" {antimagic,
                  | rC+}.
 24732 | D:14     | 24732 ||| SWAPPING to +6 heavy broad axe.
 24733 | D:14     | 24733 ||| SWAPPING to +9 broad axe "Kosum" {antimagic,
                  | rC+}.
 24734 | D:14     | 24734 ||| SWAPPING to +6 heavy broad axe.
 24735 | D:14     | 24735 ||| SWAPPING to +9 broad axe "Kosum" {antimagic,
                  | rC+}.
 24736 | D:14     | 24736 ||| SWAPPING to +6 heavy broad axe.
 24737 | D:14     | 24737 ||| SWAPPING to +9 broad axe "Kosum" {antimagic,
                  | rC+}.
 24738 | D:14     | 24738 ||| SWAPPING to +6 heavy broad axe.
 24739 | D:14     | 24739 ||| SWAPPING to +9 broad axe "Kosum" {antimagic,
                  | rC+}.
 24740 | D:14     | 24740 ||| SWAPPING to +6 heavy broad axe.
 24741 | D:14     | 24741 ||| SWAPPING to +9 broad axe "Kosum" {antimagic,
                  | rC+}.
 24742 | D:14     | 24742 ||| SWAPPING to +6 heavy broad axe.
 24743 | D:14     | 24743 ||| SWAPPING to +9 broad axe "Kosum" {antimagic,
                  | rC+}.
 24744 | D:14     | 24744 ||| SWAPPING to +6 heavy broad axe.
 24745 | D:14     | 24745 ||| SWAPPING to +9 broad axe "Kosum" {antimagic,
                  | rC+}.
 24746 | D:14     | 24746 ||| SWAPPING to +6 heavy broad axe.
 24747 | D:14     | 24747 ||| SWAPPING to +9 broad axe "Kosum" {antimagic,
                  | rC+}.
 24748 | D:14     | 24748 ||| SWAPPING to +6 heavy broad axe.
 24749 | D:14     | 24749 ||| SWAPPING to +9 broad axe "Kosum" {antimagic,
                  | rC+}.
 24750 | D:14     | 24750 ||| SWAPPING to +6 heavy broad axe.
 24751 | D:14     | 24751 ||| SWAPPING to +9 broad axe "Kosum" {antimagic,
                  | rC+}.
 24752 | D:14     | 24752 ||| SWAPPING to +6 heavy broad axe.
 24753 | D:14     | 24753 ||| SWAPPING to +9 broad axe "Kosum" {antimagic,
                  | rC+}.
 24754 | D:14     | 24754 ||| SWAPPING to +6 heavy broad axe.
 24755 | D:14     | 24755 ||| SWAPPING to +9 broad axe "Kosum" {antimagic,
                  | rC+}.
 24756 | D:14     | 24756 ||| SWAPPING to +6 heavy broad axe.
 24757 | D:14     | 24757 ||| SWAPPING to +9 broad axe "Kosum" {antimagic,
                  | rC+}.
 24758 | D:14     | 24758 ||| SWAPPING to +6 heavy broad axe.
 24759 | D:14     | 24759 ||| SWAPPING to +9 broad axe "Kosum" {antimagic,
                  | rC+}.
 24760 | D:14     | 24760 ||| SWAPPING to +6 heavy broad axe.
 24761 | D:14     | 24761 ||| SWAPPING to +9 broad axe "Kosum" {antimagic,
                  | rC+}.
 24762 | D:14     | 24762 ||| SWAPPING to +6 heavy broad axe.
 24763 | D:14     | 24763 ||| SWAPPING to +9 broad axe "Kosum" {antimagic,
                  | rC+}.
 24764 | D:14     | 24764 ||| SWAPPING to +6 heavy broad axe.
 24765 | D:14     | 24765 ||| SWAPPING to +9 broad axe "Kosum" {antimagic,
                  | rC+}.
 24766 | D:14     | 24766 ||| SWAPPING to +6 heavy broad axe.
 24767 | D:14     | 24767 ||| SWAPPING to +9 broad axe "Kosum" {antimagic,
                  | rC+}.
 24768 | D:14     | 24768 ||| SWAPPING to +6 heavy broad axe.
 24769 | D:14     | 24769 ||| SWAPPING to +9 broad axe "Kosum" {antimagic,
                  | rC+}.
 24770 | D:14     | 24770 ||| SWAPPING to +6 heavy broad axe.
 24771 | D:14     | 24771 ||| SWAPPING to +9 broad axe "Kosum" {antimagic,
                  | rC+}.
 24772 | D:14     | 24772 ||| SWAPPING to +6 heavy broad axe.
 24773 | D:14     | 24773 ||| SWAPPING to +9 broad axe "Kosum" {antimagic,
                  | rC+}.
 24774 | D:14     | 24774 ||| SWAPPING to +6 heavy broad axe.
 24775 | D:14     | 24775 ||| SWAPPING to +9 broad axe "Kosum" {antimagic,
                  | rC+}.
 24776 | D:14     | 24776 ||| SWAPPING to +6 heavy broad axe.
 24777 | D:14     | 24777 ||| SWAPPING to +9 broad axe "Kosum" {antimagic,
                  | rC+}.
 24778 | D:14     | 24778 ||| SWAPPING to +6 heavy broad axe.
 24779 | D:14     | 24779 ||| SWAPPING to +9 broad axe "Kosum" {antimagic,
                  | rC+}.
 24780 | D:14     | 24780 ||| SWAPPING to +6 heavy broad axe.
 24781 | D:14     | 24781 ||| SWAPPING to +9 broad axe "Kosum" {antimagic,
                  | rC+}.
 24782 | D:14     | 24782 ||| SWAPPING to +6 heavy broad axe.
 24783 | D:14     | 24783 ||| SWAPPING to +9 broad axe "Kosum" {antimagic,
                  | rC+}.
 24784 | D:14     | 24784 ||| SWAPPING to +6 heavy broad axe.
 24785 | D:14     | 24785 ||| SWAPPING to +9 broad axe "Kosum" {antimagic,
                  | rC+}.
 24786 | D:14     | 24786 ||| SWAPPING to +6 heavy broad axe.
 24787 | D:14     | 24787 ||| SWAPPING to +9 broad axe "Kosum" {antimagic,
                  | rC+}.
 24788 | D:14     | 24788 ||| SWAPPING to +6 heavy broad axe.
 24789 | D:14     | 24789 ||| SWAPPING to +9 broad axe "Kosum" {antimagic,
                  | rC+}.
 24790 | D:14     | 24790 ||| SWAPPING to +6 heavy broad axe.
 24791 | D:14     | 24791 ||| SWAPPING to +9 broad axe "Kosum" {antimagic,
                  | rC+}.
 24792 | D:14     | 24792 ||| SWAPPING to +6 heavy broad axe.
 24793 | D:14     | 24793 ||| SWAPPING to +9 broad axe "Kosum" {antimagic,
                  | rC+}.
 24794 | D:14     | 24794 ||| SWAPPING to +6 heavy broad axe.
 24795 | D:14     | 24795 ||| SWAPPING to +9 broad axe "Kosum" {antimagic,
                  | rC+}.
 24796 | D:14     | 24796 ||| SWAPPING to +6 heavy broad axe.
 24797 | D:14     | 24797 ||| SWAPPING to +9 broad axe "Kosum" {antimagic,
                  | rC+}.
 24798 | D:14     | 24798 ||| SWAPPING to +6 heavy broad axe.
 24799 | D:14     | 24799 ||| SWAPPING to +9 broad axe "Kosum" {antimagic,
                  | rC+}.
 24800 | D:14     | 24800 ||| SWAPPING to +6 heavy broad axe.
 24801 | D:14     | 24801 ||| SWAPPING to +9 broad axe "Kosum" {antimagic,
                  | rC+}.
 24802 | D:14     | 24802 ||| SWAPPING to +6 heavy broad axe.
 24803 | D:14     | 24803 ||| SWAPPING to +9 broad axe "Kosum" {antimagic,
                  | rC+}.
 24804 | D:14     | 24804 ||| SWAPPING to +6 heavy broad axe.
 24805 | D:14     | 24805 ||| SWAPPING to +9 broad axe "Kosum" {antimagic,
                  | rC+}.
 24806 | D:14     | 24806 ||| SWAPPING to +6 heavy broad axe.
 24807 | D:14     | 24807 ||| SWAPPING to +9 broad axe "Kosum" {antimagic,
                  | rC+}.
 24808 | D:14     | 24808 ||| SWAPPING to +6 heavy broad axe.
 24809 | D:14     | 24809 ||| SWAPPING to +9 broad axe "Kosum" {antimagic,
                  | rC+}.
 24810 | D:14     | 24810 ||| SWAPPING to +6 heavy broad axe.
 24811 | D:14     | 24811 ||| SWAPPING to +9 broad axe "Kosum" {antimagic,
                  | rC+}.
 24812 | D:14     | 24812 ||| SWAPPING to +6 heavy broad axe.
 24813 | D:14     | 24813 ||| SWAPPING to +9 broad axe "Kosum" {antimagic,
                  | rC+}.
 24814 | D:14     | 24814 ||| SWAPPING to +6 heavy broad axe.
 24815 | D:14     | 24815 ||| SWAPPING to +9 broad axe "Kosum" {antimagic,
                  | rC+}.
 24816 | D:14     | 24816 ||| SWAPPING to +6 heavy broad axe.
 24817 | D:14     | 24817 ||| SWAPPING to +9 broad axe "Kosum" {antimagic,
                  | rC+}.
 24818 | D:14     | 24818 ||| SWAPPING to +6 heavy broad axe.
 24819 | D:14     | 24819 ||| SWAPPING to +9 broad axe "Kosum" {antimagic,
                  | rC+}.
 24820 | D:14     | 24820 ||| SWAPPING to +6 heavy broad axe.
 24821 | D:14     | 24821 ||| SWAPPING to +9 broad axe "Kosum" {antimagic,
                  | rC+}.
 24822 | D:14     | 24822 ||| SWAPPING to +6 heavy broad axe.
 24823 | D:14     | 24823 ||| SWAPPING to +9 broad axe "Kosum" {antimagic,
                  | rC+}.
 24824 | D:14     | 24824 ||| SWAPPING to +6 heavy broad axe.
 24825 | D:14     | 24825 ||| SWAPPING to +9 broad axe "Kosum" {antimagic,
                  | rC+}.
 24826 | D:14     | 24826 ||| SWAPPING to +6 heavy broad axe.
 24827 | D:14     | 24827 ||| SWAPPING to +9 broad axe "Kosum" {antimagic,
                  | rC+}.
 24828 | D:14     | 24828 ||| SWAPPING to +6 heavy broad axe.
 24829 | D:14     | 24829 ||| SWAPPING to +9 broad axe "Kosum" {antimagic,
                  | rC+}.
 24830 | D:14     | 24830 ||| SWAPPING to +6 heavy broad axe.
 24831 | D:14     | 24831 ||| SWAPPING to +9 broad axe "Kosum" {antimagic,
                  | rC+}.
 24832 | D:14     | 24832 ||| SWAPPING to +6 heavy broad axe.
 24833 | D:14     | 24833 ||| SWAPPING to +9 broad axe "Kosum" {antimagic,
                  | rC+}.
 24834 | D:14     | 24834 ||| SWAPPING to +6 heavy broad axe.
 24835 | D:14     | 24835 ||| SWAPPING to +9 broad axe "Kosum" {antimagic,
                  | rC+}.
 24836 | D:14     | 24836 ||| SWAPPING to +6 heavy broad axe.
 24837 | D:14     | 24837 ||| SWAPPING to +9 broad axe "Kosum" {antimagic,
                  | rC+}.
 24838 | D:14     | 24838 ||| SWAPPING to +6 heavy broad axe.
 24839 | D:14     | 24839 ||| SWAPPING to +9 broad axe "Kosum" {antimagic,
                  | rC+}.
 24840 | D:14     | 24840 ||| SWAPPING to +6 heavy broad axe.
 24841 | D:14     | 24841 ||| SWAPPING to +9 broad axe "Kosum" {antimagic,
                  | rC+}.
 24842 | D:14     | 24842 ||| SWAPPING to +6 heavy broad axe.
 24843 | D:14     | 24843 ||| SWAPPING to +9 broad axe "Kosum" {antimagic,
                  | rC+}.
 24844 | D:14     | 24844 ||| SWAPPING to +6 heavy broad axe.
 24845 | D:14     | 24845 ||| SWAPPING to +9 broad axe "Kosum" {antimagic,
                  | rC+}.
 24846 | D:14     | 24846 ||| SWAPPING to +6 heavy broad axe.
 24847 | D:14     | 24847 ||| SWAPPING to +9 broad axe "Kosum" {antimagic,
                  | rC+}.
 24848 | D:14     | 24848 ||| SWAPPING to +6 heavy broad axe.
 24849 | D:14     | 24849 ||| SWAPPING to +9 broad axe "Kosum" {antimagic,
                  | rC+}.
 24850 | D:14     | 24850 ||| SWAPPING to +6 heavy broad axe.
 24851 | D:14     | 24851 ||| SWAPPING to +9 broad axe "Kosum" {antimagic,
                  | rC+}.
 24852 | D:14     | 24852 ||| SWAPPING to +6 heavy broad axe.
 24853 | D:14     | 24853 ||| SWAPPING to +9 broad axe "Kosum" {antimagic,
                  | rC+}.
 24854 | D:14     | 24854 ||| SWAPPING to +6 heavy broad axe.
 24855 | D:14     | 24855 ||| SWAPPING to +9 broad axe "Kosum" {antimagic,
                  | rC+}.
 24856 | D:14     | 24856 ||| SWAPPING to +6 heavy broad axe.
 24857 | D:14     | 24857 ||| SWAPPING to +9 broad axe "Kosum" {antimagic,
                  | rC+}.
 24858 | D:14     | 24858 ||| SWAPPING to +6 heavy broad axe.
 24859 | D:14     | 24859 ||| SWAPPING to +9 broad axe "Kosum" {antimagic,
                  | rC+}.
 24860 | D:14     | 24860 ||| SWAPPING to +6 heavy broad axe.
 24861 | D:14     | 24861 ||| SWAPPING to +9 broad axe "Kosum" {antimagic,
                  | rC+}.
 24862 | D:14     | 24862 ||| SWAPPING to +6 heavy broad axe.
 24863 | D:14     | 24863 ||| SWAPPING to +9 broad axe "Kosum" {antimagic,
                  | rC+}.
 24864 | D:14     | 24864 ||| SWAPPING to +6 heavy broad axe.
 24865 | D:14     | 24865 ||| SWAPPING to +9 broad axe "Kosum" {antimagic,
                  | rC+}.
 24866 | D:14     | 24866 ||| SWAPPING to +6 heavy broad axe.
 24867 | D:14     | 24867 ||| SWAPPING to +9 broad axe "Kosum" {antimagic,
                  | rC+}.
 24868 | D:14     | 24868 ||| SWAPPING to +6 heavy broad axe.
 24869 | D:14     | 24869 ||| SWAPPING to +9 broad axe "Kosum" {antimagic,
                  | rC+}.
 24870 | D:14     | 24870 ||| SWAPPING to +6 heavy broad axe.
 24871 | D:14     | 24871 ||| SWAPPING to +9 broad axe "Kosum" {antimagic,
                  | rC+}.
 24872 | D:14     | 24872 ||| SWAPPING to +6 heavy broad axe.
 24873 | D:14     | 24873 ||| SWAPPING to +9 broad axe "Kosum" {antimagic,
                  | rC+}.
 24874 | D:14     | 24874 ||| SWAPPING to +6 heavy broad axe.
 24875 | D:14     | 24875 ||| SWAPPING to +9 broad axe "Kosum" {antimagic,
                  | rC+}.
 24876 | D:14     | 24876 ||| SWAPPING to +6 heavy broad axe.
 24877 | D:14     | 24877 ||| SWAPPING to +9 broad axe "Kosum" {antimagic,
                  | rC+}.
 24878 | D:14     | 24878 ||| SWAPPING to +6 heavy broad axe.
 24879 | D:14     | 24879 ||| SWAPPING to +9 broad axe "Kosum" {antimagic,
                  | rC+}.
 24880 | D:14     | 24880 ||| SWAPPING to +6 heavy broad axe.
 24881 | D:14     | 24881 ||| SWAPPING to +9 broad axe "Kosum" {antimagic,
                  | rC+}.
 24882 | D:14     | 24882 ||| SWAPPING to +6 heavy broad axe.
 24883 | D:14     | 24883 ||| SWAPPING to +9 broad axe "Kosum" {antimagic,
                  | rC+}.
 24884 | D:14     | 24884 ||| SWAPPING to +6 heavy broad axe.
 24885 | D:14     | 24885 ||| SWAPPING to +9 broad axe "Kosum" {antimagic,
                  | rC+}.
 24886 | D:14     | 24886 ||| SWAPPING to +6 heavy broad axe.
 24887 | D:14     | 24887 ||| SWAPPING to +9 broad axe "Kosum" {antimagic,
                  | rC+}.
 24888 | D:14     | 24888 ||| SWAPPING to +6 heavy broad axe.
 24889 | D:14     | 24889 ||| SWAPPING to +9 broad axe "Kosum" {antimagic,
                  | rC+}.
 24890 | D:14     | 24890 ||| SWAPPING to +6 heavy broad axe.
 24891 | D:14     | 24891 ||| SWAPPING to +9 broad axe "Kosum" {antimagic,
                  | rC+}.
 24892 | D:14     | 24892 ||| SWAPPING to +6 heavy broad axe.
 24893 | D:14     | 24893 ||| SWAPPING to +9 broad axe "Kosum" {antimagic,
                  | rC+}.
 24894 | D:14     | 24894 ||| SWAPPING to +6 heavy broad axe.
 24895 | D:14     | 24895 ||| SWAPPING to +9 broad axe "Kosum" {antimagic,
                  | rC+}.
 24896 | D:14     | 24896 ||| SWAPPING to +6 heavy broad axe.
 24897 | D:14     | 24897 ||| SWAPPING to +9 broad axe "Kosum" {antimagic,
                  | rC+}.
 24898 | D:14     | 24898 ||| SWAPPING to +6 heavy broad axe.
 24899 | D:14     | 24899 ||| SWAPPING to +9 broad axe "Kosum" {antimagic,
                  | rC+}.
 24900 | D:14     | 24900 ||| SWAPPING to +6 heavy broad axe.
 24901 | D:14     | 24901 ||| SWAPPING to +9 broad axe "Kosum" {antimagic,
                  | rC+}.
 24902 | D:14     | 24902 ||| SWAPPING to +6 heavy broad axe.
 24903 | D:14     | 24903 ||| SWAPPING to +9 broad axe "Kosum" {antimagic,
                  | rC+}.
 24904 | D:14     | 24904 ||| SWAPPING to +6 heavy broad axe.
 24905 | D:14     | 24905 ||| SWAPPING to +9 broad axe "Kosum" {antimagic,
                  | rC+}.
 24906 | D:14     | 24906 ||| SWAPPING to +6 heavy broad axe.
 24907 | D:14     | 24907 ||| SWAPPING to +9 broad axe "Kosum" {antimagic,
                  | rC+}.
 24908 | D:14     | 24908 ||| SWAPPING to +6 heavy broad axe.
 24909 | D:14     | 24909 ||| SWAPPING to +9 broad axe "Kosum" {antimagic,
                  | rC+}.
 24910 | D:14     | 24910 ||| SWAPPING to +6 heavy broad axe.
 24911 | D:14     | 24911 ||| SWAPPING to +9 broad axe "Kosum" {antimagic,
                  | rC+}.
 24912 | D:14     | 24912 ||| SWAPPING to +6 heavy broad axe.
 24913 | D:14     | 24913 ||| SWAPPING to +9 broad axe "Kosum" {antimagic,
                  | rC+}.
 24914 | D:14     | 24914 ||| SWAPPING to +6 heavy broad axe.
 24915 | D:14     | 24915 ||| SWAPPING to +9 broad axe "Kosum" {antimagic,
                  | rC+}.
 24916 | D:14     | 24916 ||| SWAPPING to +6 heavy broad axe.
 24917 | D:14     | 24917 ||| SWAPPING to +9 broad axe "Kosum" {antimagic,
                  | rC+}.
 24918 | D:14     | 24918 ||| SWAPPING to +6 heavy broad axe.
 24919 | D:14     | 24919 ||| SWAPPING to +9 broad axe "Kosum" {antimagic,
                  | rC+}.
 24920 | D:14     | 24920 ||| SWAPPING to +6 heavy broad axe.
 24921 | D:14     | 24921 ||| SWAPPING to +9 broad axe "Kosum" {antimagic,
                  | rC+}.
 24922 | D:14     | 24922 ||| SWAPPING to +6 heavy broad axe.
 24923 | D:14     | 24923 ||| SWAPPING to +9 broad axe "Kosum" {antimagic,
                  | rC+}.
 24924 | D:14     | 24924 ||| SWAPPING to +6 heavy broad axe.
 24925 | D:14     | 24925 ||| SWAPPING to +9 broad axe "Kosum" {antimagic,
                  | rC+}.
 24926 | D:14     | 24926 ||| SWAPPING to +6 heavy broad axe.
 24927 | D:14     | 24927 ||| SWAPPING to +9 broad axe "Kosum" {antimagic,
                  | rC+}.
 24928 | D:14     | 24928 ||| SWAPPING to +6 heavy broad axe.
 24929 | D:14     | 24929 ||| SWAPPING to +9 broad axe "Kosum" {antimagic,
                  | rC+}.
 24930 | D:14     | 24930 ||| SWAPPING to +6 heavy broad axe.
 24931 | D:14     | 24931 ||| SWAPPING to +9 broad axe "Kosum" {antimagic,
                  | rC+}.
 24932 | D:14     | 24932 ||| SWAPPING to +6 heavy broad axe.
 24933 | D:14     | 24933 ||| SWAPPING to +9 broad axe "Kosum" {antimagic,
                  | rC+}.
 24934 | D:14     | 24934 ||| SWAPPING to +6 heavy broad axe.
 24935 | D:14     | 24935 ||| SWAPPING to +9 broad axe "Kosum" {antimagic,
                  | rC+}.
 24936 | D:14     | 24936 ||| SWAPPING to +6 heavy broad axe.
 24937 | D:14     | 24937 ||| SWAPPING to +9 broad axe "Kosum" {antimagic,
                  | rC+}.
 24938 | D:14     | 24938 ||| SWAPPING to +6 heavy broad axe.
 24939 | D:14     | 24939 ||| SWAPPING to +9 broad axe "Kosum" {antimagic,
                  | rC+}.
 24940 | D:14     | 24940 ||| SWAPPING to +6 heavy broad axe.
 24941 | D:14     | 24941 ||| SWAPPING to +9 broad axe "Kosum" {antimagic,
                  | rC+}.
 24942 | D:14     | 24942 ||| SWAPPING to +6 heavy broad axe.
 24943 | D:14     | 24943 ||| SWAPPING to +9 broad axe "Kosum" {antimagic,
                  | rC+}.
 24944 | D:14     | 24944 ||| SWAPPING to +6 heavy broad axe.
 24945 | D:14     | 24945 ||| SWAPPING to +9 broad axe "Kosum" {antimagic,
                  | rC+}.
 24946 | D:14     | 24946 ||| SWAPPING to +6 heavy broad axe.
 24947 | D:14     | 24947 ||| SWAPPING to +9 broad axe "Kosum" {antimagic,
                  | rC+}.
 24948 | D:14     | 24948 ||| SWAPPING to +6 heavy broad axe.
 24949 | D:14     | 24949 ||| SWAPPING to +9 broad axe "Kosum" {antimagic,
                  | rC+}.
 24950 | D:14     | 24950 ||| SWAPPING to +6 heavy broad axe.
 24951 | D:14     | 24951 ||| SWAPPING to +9 broad axe "Kosum" {antimagic,
                  | rC+}.
 24952 | D:14     | 24952 ||| SWAPPING to +6 heavy broad axe.
 24953 | D:14     | 24953 ||| SWAPPING to +9 broad axe "Kosum" {antimagic,
                  | rC+}.
 24954 | D:14     | 24954 ||| SWAPPING to +6 heavy broad axe.
 24955 | D:14     | 24955 ||| SWAPPING to +9 broad axe "Kosum" {antimagic,
                  | rC+}.
 24956 | D:14     | 24956 ||| SWAPPING to +6 heavy broad axe.
 24957 | D:14     | 24957 ||| SWAPPING to +9 broad axe "Kosum" {antimagic,
                  | rC+}.
 24958 | D:14     | 24958 ||| SWAPPING to +6 heavy broad axe.
 24959 | D:14     | 24959 ||| SWAPPING to +9 broad axe "Kosum" {antimagic,
                  | rC+}.
 24960 | D:14     | 24960 ||| SWAPPING to +6 heavy broad axe.
 24961 | D:14     | 24961 ||| SWAPPING to +9 broad axe "Kosum" {antimagic,
                  | rC+}.
 24962 | D:14     | 24962 ||| SWAPPING to +6 heavy broad axe.
 24963 | D:14     | 24963 ||| SWAPPING to +9 broad axe "Kosum" {antimagic,
                  | rC+}.
 24964 | D:14     | 24964 ||| SWAPPING to +6 heavy broad axe.
 24965 | D:14     | 24965 ||| SWAPPING to +9 broad axe "Kosum" {antimagic,
                  | rC+}.
 24966 | D:14     | 24966 ||| SWAPPING to +6 heavy broad axe.
 24967 | D:14     | 24967 ||| SWAPPING to +9 broad axe "Kosum" {antimagic,
                  | rC+}.
 24968 | D:14     | 24968 ||| SWAPPING to +6 heavy broad axe.
 24969 | D:14     | 24969 ||| SWAPPING to +9 broad axe "Kosum" {antimagic,
                  | rC+}.
 24970 | D:14     | 24970 ||| SWAPPING to +6 heavy broad axe.
 24971 | D:14     | 24971 ||| SWAPPING to +9 broad axe "Kosum" {antimagic,
                  | rC+}.
 24972 | D:14     | 24972 ||| SWAPPING to +6 heavy broad axe.
 24973 | D:14     | 24973 ||| SWAPPING to +9 broad axe "Kosum" {antimagic,
                  | rC+}.
 24974 | D:14     | 24974 ||| SWAPPING to +6 heavy broad axe.
 24975 | D:14     | 24975 ||| SWAPPING to +9 broad axe "Kosum" {antimagic,
                  | rC+}.
 24976 | D:14     | 24976 ||| SWAPPING to +6 heavy broad axe.
 24977 | D:14     | 24977 ||| SWAPPING to +9 broad axe "Kosum" {antimagic,
                  | rC+}.
 24978 | D:14     | 24978 ||| SWAPPING to +6 heavy broad axe.
 24979 | D:14     | 24979 ||| SWAPPING to +9 broad axe "Kosum" {antimagic,
                  | rC+}.
 24980 | D:14     | 24980 ||| SWAPPING to +6 heavy broad axe.
 24981 | D:14     | 24981 ||| SWAPPING to +9 broad axe "Kosum" {antimagic,
                  | rC+}.
 24982 | D:14     | 24982 ||| SWAPPING to +6 heavy broad axe.
 24983 | D:14     | 24983 ||| SWAPPING to +9 broad axe "Kosum" {antimagic,
                  | rC+}.
 24984 | D:14     | 24984 ||| SWAPPING to +6 heavy broad axe.
 24985 | D:14     | 24985 ||| SWAPPING to +9 broad axe "Kosum" {antimagic,
                  | rC+}.
 24986 | D:14     | 24986 ||| SWAPPING to +6 heavy broad axe.
 24987 | D:14     | 24987 ||| SWAPPING to +9 broad axe "Kosum" {antimagic,
                  | rC+}.
 24988 | D:14     | 24988 ||| SWAPPING to +6 heavy broad axe.
 24989 | D:14     | 24989 ||| SWAPPING to +9 broad axe "Kosum" {antimagic,
                  | rC+}.
 24990 | D:14     | 24990 ||| SWAPPING to +6 heavy broad axe.
 24991 | D:14     | 24991 ||| SWAPPING to +9 broad axe "Kosum" {antimagic,
                  | rC+}.
 24992 | D:14     | 24992 ||| SWAPPING to +6 heavy broad axe.
 24993 | D:14     | 24993 ||| SWAPPING to +9 broad axe "Kosum" {antimagic,
                  | rC+}.
 24994 | D:14     | 24994 ||| SWAPPING to +6 heavy broad axe.
 24995 | D:14     | 24995 ||| SWAPPING to +9 broad axe "Kosum" {antimagic,
                  | rC+}.
 24996 | D:14     | 24996 ||| SWAPPING to +6 heavy broad axe.
 24997 | D:14     | 24997 ||| SWAPPING to +9 broad axe "Kosum" {antimagic,
                  | rC+}.
 24998 | D:14     | 24998 ||| SWAPPING to +6 heavy broad axe.
 24999 | D:14     | 24999 ||| SWAPPING to +9 broad axe "Kosum" {antimagic,
                  | rC+}.
 25000 | D:14     | 25000 ||| SWAPPING to +6 heavy broad axe.
 25001 | D:14     | 25001 ||| SWAPPING to +9 broad axe "Kosum" {antimagic,
                  | rC+}.
 25002 | D:14     | 25002 ||| SWAPPING to +6 heavy broad axe.
 25003 | D:14     | 25003 ||| SWAPPING to +9 broad axe "Kosum" {antimagic,
                  | rC+}.
 25004 | D:14     | 25004 ||| SWAPPING to +6 heavy broad axe.
 25005 | D:14     | 25005 ||| SWAPPING to +9 broad axe "Kosum" {antimagic,
                  | rC+}.
 25006 | D:14     | 25006 ||| SWAPPING to +6 heavy broad axe.
 25007 | D:14     | 25007 ||| SWAPPING to +9 broad axe "Kosum" {antimagic,
                  | rC+}.
 25008 | D:14     | 25008 ||| SWAPPING to +6 heavy broad axe.
 25009 | D:14     | 25009 ||| SWAPPING to +9 broad axe "Kosum" {antimagic,
                  | rC+}.
 25010 | D:14     | 25010 ||| SWAPPING to +6 heavy broad axe.
 25011 | D:14     | 25011 ||| SWAPPING to +9 broad axe "Kosum" {antimagic,
                  | rC+}.
 25012 | D:14     | 25012 ||| SWAPPING to +6 heavy broad axe.
 25013 | D:14     | 25013 ||| SWAPPING to +9 broad axe "Kosum" {antimagic,
                  | rC+}.
 25014 | D:14     | 25014 ||| SWAPPING to +6 heavy broad axe.
 25015 | D:14     | 25015 ||| SWAPPING to +9 broad axe "Kosum" {antimagic,
                  | rC+}.
 25016 | D:14     | 25016 ||| SWAPPING to +6 heavy broad axe.
 25017 | D:14     | 25017 ||| SWAPPING to +9 broad axe "Kosum" {antimagic,
                  | rC+}.
 25018 | D:14     | 25018 ||| SWAPPING to +6 heavy broad axe.
 25019 | D:14     | 25019 ||| SWAPPING to +9 broad axe "Kosum" {antimagic,
                  | rC+}.
 25020 | D:14     | 25020 ||| SWAPPING to +6 heavy broad axe.
 25021 | D:14     | 25021 ||| SWAPPING to +9 broad axe "Kosum" {antimagic,
                  | rC+}.
 25022 | D:14     | 25022 ||| SWAPPING to +6 heavy broad axe.
 25023 | D:14     | 25023 ||| SWAPPING to +9 broad axe "Kosum" {antimagic,
                  | rC+}.
 25024 | D:14     | 25024 ||| SWAPPING to +6 heavy broad axe.
 25025 | D:14     | 25025 ||| SWAPPING to +9 broad axe "Kosum" {antimagic,
                  | rC+}.
 25026 | D:14     | 25026 ||| SWAPPING to +6 heavy broad axe.
 25027 | D:14     | 25027 ||| SWAPPING to +9 broad axe "Kosum" {antimagic,
                  | rC+}.
 25028 | D:14     | 25028 ||| SWAPPING to +6 heavy broad axe.
 25029 | D:14     | 25029 ||| SWAPPING to +9 broad axe "Kosum" {antimagic,
                  | rC+}.
 25030 | D:14     | 25030 ||| SWAPPING to +6 heavy broad axe.
 25031 | D:14     | 25031 ||| SWAPPING to +9 broad axe "Kosum" {antimagic,
                  | rC+}.
 25032 | D:14     | 25032 ||| SWAPPING to +6 heavy broad axe.
 25033 | D:14     | 25033 ||| SWAPPING to +9 broad axe "Kosum" {antimagic,
                  | rC+}.
 25034 | D:14     | 25034 ||| SWAPPING to +6 heavy broad axe.
 25035 | D:14     | 25035 ||| SWAPPING to +9 broad axe "Kosum" {antimagic,
                  | rC+}.
 25036 | D:14     | 25036 ||| SWAPPING to +6 heavy broad axe.
 25037 | D:14     | 25037 ||| SWAPPING to +9 broad axe "Kosum" {antimagic,
                  | rC+}.
 25038 | D:14     | 25038 ||| SWAPPING to +6 heavy broad axe.
 25039 | D:14     | 25039 ||| SWAPPING to +9 broad axe "Kosum" {antimagic,
                  | rC+}.
 25040 | D:14     | 25040 ||| SWAPPING to +6 heavy broad axe.
 25041 | D:14     | 25041 ||| SWAPPING to +9 broad axe "Kosum" {antimagic,
                  | rC+}.
 25042 | D:14     | 25042 ||| SWAPPING to +6 heavy broad axe.
 25043 | D:14     | 25043 ||| SWAPPING to +9 broad axe "Kosum" {antimagic,
                  | rC+}.
 25044 | D:14     | 25044 ||| SWAPPING to +6 heavy broad axe.
 25045 | D:14     | 25045 ||| SWAPPING to +9 broad axe "Kosum" {antimagic,
                  | rC+}.
 25046 | D:14     | 25046 ||| SWAPPING to +6 heavy broad axe.
 25047 | D:14     | 25047 ||| SWAPPING to +9 broad axe "Kosum" {antimagic,
                  | rC+}.
 25048 | D:14     | 25048 ||| SWAPPING to +6 heavy broad axe.
 25049 | D:14     | 25049 ||| SWAPPING to +9 broad axe "Kosum" {antimagic,
                  | rC+}.
 25050 | D:14     | 25050 ||| SWAPPING to +6 heavy broad axe.
 25051 | D:14     | 25051 ||| SWAPPING to +9 broad axe "Kosum" {antimagic,
                  | rC+}.
 25052 | D:14     | 25052 ||| SWAPPING to +6 heavy broad axe.
 25053 | D:14     | 25053 ||| SWAPPING to +9 broad axe "Kosum" {antimagic,
                  | rC+}.
 25054 | D:14     | 25054 ||| SWAPPING to +6 heavy broad axe.
 25055 | D:14     | 25055 ||| SWAPPING to +9 broad axe "Kosum" {antimagic,
                  | rC+}.
 25056 | D:14     | 25056 ||| SWAPPING to +6 heavy broad axe.
 25057 | D:14     | 25057 ||| SWAPPING to +9 broad axe "Kosum" {antimagic,
                  | rC+}.
 25058 | D:14     | 25058 ||| SWAPPING to +6 heavy broad axe.
 25059 | D:14     | 25059 ||| SWAPPING to +9 broad axe "Kosum" {antimagic,
                  | rC+}.
 25060 | D:14     | 25060 ||| SWAPPING to +6 heavy broad axe.
 25061 | D:14     | 25061 ||| SWAPPING to +9 broad axe "Kosum" {antimagic,
                  | rC+}.
 25062 | D:14     | 25062 ||| SWAPPING to +6 heavy broad axe.
 25063 | D:14     | 25063 ||| SWAPPING to +9 broad axe "Kosum" {antimagic,
                  | rC+}.
 25064 | D:14     | 25064 ||| SWAPPING to +6 heavy broad axe.
 25065 | D:14     | 25065 ||| SWAPPING to +9 broad axe "Kosum" {antimagic,
                  | rC+}.
 25066 | D:14     | 25066 ||| SWAPPING to +6 heavy broad axe.
 25067 | D:14     | 25067 ||| SWAPPING to +9 broad axe "Kosum" {antimagic,
                  | rC+}.
 25068 | D:14     | 25068 ||| SWAPPING to +6 heavy broad axe.
 25069 | D:14     | 25069 ||| SWAPPING to +9 broad axe "Kosum" {antimagic,
                  | rC+}.
 25070 | D:14     | 25070 ||| SWAPPING to +6 heavy broad axe.
 25071 | D:14     | 25071 ||| SWAPPING to +9 broad axe "Kosum" {antimagic,
                  | rC+}.
 25072 | D:14     | 25072 ||| SWAPPING to +6 heavy broad axe.
 25073 | D:14     | 25073 ||| SWAPPING to +9 broad axe "Kosum" {antimagic,
                  | rC+}.
 25074 | D:14     | 25074 ||| SWAPPING to +6 heavy broad axe.
 25075 | D:14     | 25075 ||| SWAPPING to +9 broad axe "Kosum" {antimagic,
                  | rC+}.
 25076 | D:14     | 25076 ||| SWAPPING to +6 heavy broad axe.
 25077 | D:14     | 25077 ||| SWAPPING to +9 broad axe "Kosum" {antimagic,
                  | rC+}.
 25078 | D:14     | 25078 ||| SWAPPING to +6 heavy broad axe.
 25079 | D:14     | 25079 ||| SWAPPING to +9 broad axe "Kosum" {antimagic,
                  | rC+}.
 25080 | D:14     | 25080 ||| SWAPPING to +6 heavy broad axe.
 25081 | D:14     | 25081 ||| SWAPPING to +9 broad axe "Kosum" {antimagic,
                  | rC+}.
 25082 | D:14     | 25082 ||| SWAPPING to +6 heavy broad axe.
 25083 | D:14     | 25083 ||| SWAPPING to +9 broad axe "Kosum" {antimagic,
                  | rC+}.
 25084 | D:14     | 25084 ||| SWAPPING to +6 heavy broad axe.
 25085 | D:14     | 25085 ||| SWAPPING to +9 broad axe "Kosum" {antimagic,
                  | rC+}.
 25086 | D:14     | 25086 ||| SWAPPING to +6 heavy broad axe.
 25087 | D:14     | 25087 ||| SWAPPING to +9 broad axe "Kosum" {antimagic,
                  | rC+}.
 25088 | D:14     | 25088 ||| SWAPPING to +6 heavy broad axe.
 25089 | D:14     | 25089 ||| SWAPPING to +9 broad axe "Kosum" {antimagic,
                  | rC+}.
 25090 | D:14     | 25090 ||| SWAPPING to +6 heavy broad axe.
 25091 | D:14     | 25091 ||| SWAPPING to +9 broad axe "Kosum" {antimagic,
                  | rC+}.
 25092 | D:14     | 25092 ||| SWAPPING to +6 heavy broad axe.
 25093 | D:14     | 25093 ||| SWAPPING to +9 broad axe "Kosum" {antimagic,
                  | rC+}.
 25094 | D:14     | 25094 ||| SWAPPING to +6 heavy broad axe.
 25095 | D:14     | 25095 ||| SWAPPING to +9 broad axe "Kosum" {antimagic,
                  | rC+}.
 25096 | D:14     | 25096 ||| SWAPPING to +6 heavy broad axe.
 25097 | D:14     | 25097 ||| SWAPPING to +9 broad axe "Kosum" {antimagic,
                  | rC+}.
 25098 | D:14     | 25098 ||| SWAPPING to +6 heavy broad axe.
 25099 | D:14     | 25099 ||| SWAPPING to +9 broad axe "Kosum" {antimagic,
                  | rC+}.
 25100 | D:14     | 25100 ||| SWAPPING to +6 heavy broad axe.
 25101 | D:14     | 25101 ||| SWAPPING to +9 broad axe "Kosum" {antimagic,
                  | rC+}.
 25102 | D:14     | 25102 ||| SWAPPING to +6 heavy broad axe.
 25103 | D:14     | 25103 ||| SWAPPING to +9 broad axe "Kosum" {antimagic,
                  | rC+}.
 25104 | D:14     | 25104 ||| SWAPPING to +6 heavy broad axe.
 25105 | D:14     | 25105 ||| SWAPPING to +9 broad axe "Kosum" {antimagic,
                  | rC+}.
 25106 | D:14     | 25106 ||| SWAPPING to +6 heavy broad axe.
 25107 | D:14     | 25107 ||| SWAPPING to +9 broad axe "Kosum" {antimagic,
                  | rC+}.
 25108 | D:14     | 25108 ||| SWAPPING to +6 heavy broad axe.
 25109 | D:14     | 25109 ||| SWAPPING to +9 broad axe "Kosum" {antimagic,
                  | rC+}.
 25110 | D:14     | 25110 ||| SWAPPING to +6 heavy broad axe.
 25111 | D:14     | 25111 ||| SWAPPING to +9 broad axe "Kosum" {antimagic,
                  | rC+}.
 25112 | D:14     | 25112 ||| SWAPPING to +6 heavy broad axe.
 25113 | D:14     | 25113 ||| SWAPPING to +9 broad axe "Kosum" {antimagic,
                  | rC+}.
 25114 | D:14     | 25114 ||| SWAPPING to +6 heavy broad axe.
 25115 | D:14     | 25115 ||| SWAPPING to +9 broad axe "Kosum" {antimagic,
                  | rC+}.
 25116 | D:14     | 25116 ||| SWAPPING to +6 heavy broad axe.
 25117 | D:14     | 25117 ||| SWAPPING to +9 broad axe "Kosum" {antimagic,
                  | rC+}.
 25118 | D:14     | 25118 ||| SWAPPING to +6 heavy broad axe.
 25119 | D:14     | 25119 ||| SWAPPING to +9 broad axe "Kosum" {antimagic,
                  | rC+}.
 25120 | D:14     | 25120 ||| SWAPPING to +6 heavy broad axe.
 25121 | D:14     | 25121 ||| SWAPPING to +9 broad axe "Kosum" {antimagic,
                  | rC+}.
 25122 | D:14     | 25122 ||| SWAPPING to +6 heavy broad axe.
 25123 | D:14     | 25123 ||| SWAPPING to +9 broad axe "Kosum" {antimagic,
                  | rC+}.
 25124 | D:14     | 25124 ||| SWAPPING to +6 heavy broad axe.
 25125 | D:14     | 25125 ||| SWAPPING to +9 broad axe "Kosum" {antimagic,
                  | rC+}.
 25126 | D:14     | 25126 ||| SWAPPING to +6 heavy broad axe.
 25127 | D:14     | 25127 ||| SWAPPING to +9 broad axe "Kosum" {antimagic,
                  | rC+}.
 25128 | D:14     | 25128 ||| SWAPPING to +6 heavy broad axe.
 25129 | D:14     | 25129 ||| SWAPPING to +9 broad axe "Kosum" {antimagic,
                  | rC+}.
 25130 | D:14     | 25130 ||| SWAPPING to +6 heavy broad axe.
 25131 | D:14     | 25131 ||| SWAPPING to +9 broad axe "Kosum" {antimagic,
                  | rC+}.
 25132 | D:14     | 25132 ||| SWAPPING to +6 heavy broad axe.
 25133 | D:14     | 25133 ||| SWAPPING to +9 broad axe "Kosum" {antimagic,
                  | rC+}.
 25134 | D:14     | 25134 ||| SWAPPING to +6 heavy broad axe.
 25135 | D:14     | 25135 ||| SWAPPING to +9 broad axe "Kosum" {antimagic,
                  | rC+}.
 25136 | D:14     | 25136 ||| SWAPPING to +6 heavy broad axe.
 25137 | D:14     | 25137 ||| SWAPPING to +9 broad axe "Kosum" {antimagic,
                  | rC+}.
 25138 | D:14     | 25138 ||| SWAPPING to +6 heavy broad axe.
 25139 | D:14     | 25139 ||| SWAPPING to +9 broad axe "Kosum" {antimagic,
                  | rC+}.
 25140 | D:14     | 25140 ||| SWAPPING to +6 heavy broad axe.
 25141 | D:14     | 25141 ||| SWAPPING to +9 broad axe "Kosum" {antimagic,
                  | rC+}.
 25142 | D:14     | 25142 ||| SWAPPING to +6 heavy broad axe.
 25143 | D:14     | 25143 ||| SWAPPING to +9 broad axe "Kosum" {antimagic,
                  | rC+}.
 25144 | D:14     | 25144 ||| SWAPPING to +6 heavy broad axe.
 25145 | D:14     | 25145 ||| SWAPPING to +9 broad axe "Kosum" {antimagic,
                  | rC+}.
 25146 | D:14     | 25146 ||| SWAPPING to +6 heavy broad axe.
 25147 | D:14     | 25147 ||| SWAPPING to +9 broad axe "Kosum" {antimagic,
                  | rC+}.
 25148 | D:14     | 25148 ||| SWAPPING to +6 heavy broad axe.
 25149 | D:14     | 25149 ||| SWAPPING to +9 broad axe "Kosum" {antimagic,
                  | rC+}.
 25150 | D:14     | 25150 ||| SWAPPING to +6 heavy broad axe.
 25151 | D:14     | 25151 ||| SWAPPING to +9 broad axe "Kosum" {antimagic,
                  | rC+}.
 25152 | D:14     | 25152 ||| SWAPPING to +6 heavy broad axe.
 25153 | D:14     | 25153 ||| SWAPPING to +9 broad axe "Kosum" {antimagic,
                  | rC+}.
 25154 | D:14     | 25154 ||| SWAPPING to +6 heavy broad axe.
 25155 | D:14     | 25155 ||| SWAPPING to +9 broad axe "Kosum" {antimagic,
                  | rC+}.
 25156 | D:14     | 25156 ||| SWAPPING to +6 heavy broad axe.
 25157 | D:14     | 25157 ||| SWAPPING to +9 broad axe "Kosum" {antimagic,
                  | rC+}.
 25158 | D:14     | 25158 ||| SWAPPING to +6 heavy broad axe.
 25159 | D:14     | 25159 ||| SWAPPING to +9 broad axe "Kosum" {antimagic,
                  | rC+}.
 25160 | D:14     | 25160 ||| SWAPPING to +6 heavy broad axe.
 25161 | D:14     | 25161 ||| SWAPPING to +9 broad axe "Kosum" {antimagic,
                  | rC+}.
 25162 | D:14     | 25162 ||| SWAPPING to +6 heavy broad axe.
 25163 | D:14     | 25163 ||| SWAPPING to +9 broad axe "Kosum" {antimagic,
                  | rC+}.
 25164 | D:14     | 25164 ||| SWAPPING to +6 heavy broad axe.
 25165 | D:14     | 25165 ||| SWAPPING to +9 broad axe "Kosum" {antimagic,
                  | rC+}.
 25166 | D:14     | 25166 ||| SWAPPING to +6 heavy broad axe.
 25167 | D:14     | 25167 ||| SWAPPING to +9 broad axe "Kosum" {antimagic,
                  | rC+}.
 25168 | D:14     | 25168 ||| SWAPPING to +6 heavy broad axe.
 25169 | D:14     | 25169 ||| SWAPPING to +9 broad axe "Kosum" {antimagic,
                  | rC+}.
 25170 | D:14     | 25170 ||| SWAPPING to +6 heavy broad axe.
 25171 | D:14     | 25171 ||| SWAPPING to +9 broad axe "Kosum" {antimagic,
                  | rC+}.
 25172 | D:14     | 25172 ||| SWAPPING to +6 heavy broad axe.
 25173 | D:14     | 25173 ||| SWAPPING to +9 broad axe "Kosum" {antimagic,
                  | rC+}.
 25174 | D:14     | 25174 ||| SWAPPING to +6 heavy broad axe.
 25175 | D:14     | 25175 ||| SWAPPING to +9 broad axe "Kosum" {antimagic,
                  | rC+}.
 25176 | D:14     | 25176 ||| SWAPPING to +6 heavy broad axe.
 25177 | D:14     | 25177 ||| SWAPPING to +9 broad axe "Kosum" {antimagic,
                  | rC+}.
 25178 | D:14     | 25178 ||| SWAPPING to +6 heavy broad axe.
 25179 | D:14     | 25179 ||| SWAPPING to +9 broad axe "Kosum" {antimagic,
                  | rC+}.
 25180 | D:14     | 25180 ||| SWAPPING to +6 heavy broad axe.
 25181 | D:14     | 25181 ||| SWAPPING to +9 broad axe "Kosum" {antimagic,
                  | rC+}.
 25182 | D:14     | 25182 ||| SWAPPING to +6 heavy broad axe.
 25183 | D:14     | 25183 ||| SWAPPING to +9 broad axe "Kosum" {antimagic,
                  | rC+}.
 25184 | D:14     | 25184 ||| SWAPPING to +6 heavy broad axe.
 25185 | D:14     | 25185 ||| SWAPPING to +9 broad axe "Kosum" {antimagic,
                  | rC+}.
 25186 | D:14     | 25186 ||| SWAPPING to +6 heavy broad axe.
 25187 | D:14     | 25187 ||| SWAPPING to +9 broad axe "Kosum" {antimagic,
                  | rC+}.
 25188 | D:14     | 25188 ||| SWAPPING to +6 heavy broad axe.
 25189 | D:14     | 25189 ||| SWAPPING to +9 broad axe "Kosum" {antimagic,
                  | rC+}.
 25190 | D:14     | 25190 ||| SWAPPING to +6 heavy broad axe.
 25191 | D:14     | 25191 ||| SWAPPING to +9 broad axe "Kosum" {antimagic,
                  | rC+}.
 25192 | D:14     | 25192 ||| SWAPPING to +6 heavy broad axe.
 25193 | D:14     | 25193 ||| SWAPPING to +9 broad axe "Kosum" {antimagic,
                  | rC+}.
 25194 | D:14     | 25194 ||| SWAPPING to +6 heavy broad axe.
 25195 | D:14     | 25195 ||| SWAPPING to +9 broad axe "Kosum" {antimagic,
                  | rC+}.
 25196 | D:14     | 25196 ||| SWAPPING to +6 heavy broad axe.
 25197 | D:14     | 25197 ||| SWAPPING to +9 broad axe "Kosum" {antimagic,
                  | rC+}.
 25198 | D:14     | 25198 ||| SWAPPING to +6 heavy broad axe.
 25199 | D:14     | 25199 ||| SWAPPING to +9 broad axe "Kosum" {antimagic,
                  | rC+}.
 25200 | D:14     | 25200 ||| SWAPPING to +6 heavy broad axe.
 25201 | D:14     | 25201 ||| SWAPPING to +9 broad axe "Kosum" {antimagic,
                  | rC+}.
 25202 | D:14     | 25202 ||| SWAPPING to +6 heavy broad axe.
 25203 | D:14     | 25203 ||| SWAPPING to +9 broad axe "Kosum" {antimagic,
                  | rC+}.
 25204 | D:14     | 25204 ||| SWAPPING to +6 heavy broad axe.
 25205 | D:14     | 25205 ||| SWAPPING to +9 broad axe "Kosum" {antimagic,
                  | rC+}.
 25206 | D:14     | 25206 ||| SWAPPING to +6 heavy broad axe.
 25207 | D:14     | 25207 ||| SWAPPING to +9 broad axe "Kosum" {antimagic,
                  | rC+}.
 25208 | D:14     | 25208 ||| SWAPPING to +6 heavy broad axe.
 25209 | D:14     | 25209 ||| SWAPPING to +9 broad axe "Kosum" {antimagic,
                  | rC+}.
 25210 | D:14     | 25210 ||| SWAPPING to +6 heavy broad axe.
 25211 | D:14     | 25211 ||| SWAPPING to +9 broad axe "Kosum" {antimagic,
                  | rC+}.
 25212 | D:14     | 25212 ||| SWAPPING to +6 heavy broad axe.
 25213 | D:14     | 25213 ||| SWAPPING to +9 broad axe "Kosum" {antimagic,
                  | rC+}.
 25214 | D:14     | 25214 ||| SWAPPING to +6 heavy broad axe.
 25215 | D:14     | 25215 ||| SWAPPING to +9 broad axe "Kosum" {antimagic,
                  | rC+}.
 25216 | D:14     | 25216 ||| SWAPPING to +6 heavy broad axe.
 25217 | D:14     | 25217 ||| SWAPPING to +9 broad axe "Kosum" {antimagic,
                  | rC+}.
 25218 | D:14     | 25218 ||| SWAPPING to +6 heavy broad axe.
 25219 | D:14     | 25219 ||| SWAPPING to +9 broad axe "Kosum" {antimagic,
                  | rC+}.
 25220 | D:14     | 25220 ||| SWAPPING to +6 heavy broad axe.
 25221 | D:14     | 25221 ||| SWAPPING to +9 broad axe "Kosum" {antimagic,
                  | rC+}.
 25222 | D:14     | 25222 ||| SWAPPING to +6 heavy broad axe.
 25223 | D:14     | 25223 ||| SWAPPING to +9 broad axe "Kosum" {antimagic,
                  | rC+}.
 25224 | D:14     | 25224 ||| SWAPPING to +6 heavy broad axe.
 25225 | D:14     | 25225 ||| SWAPPING to +9 broad axe "Kosum" {antimagic,
                  | rC+}.
 25226 | D:14     | 25226 ||| SWAPPING to +6 heavy broad axe.
 25227 | D:14     | 25227 ||| SWAPPING to +9 broad axe "Kosum" {antimagic,
                  | rC+}.
 25228 | D:14     | 25228 ||| SWAPPING to +6 heavy broad axe.
 25229 | D:14     | 25229 ||| SWAPPING to +9 broad axe "Kosum" {antimagic,
                  | rC+}.
 25230 | D:14     | 25230 ||| SWAPPING to +6 heavy broad axe.
 25231 | D:14     | 25231 ||| SWAPPING to +9 broad axe "Kosum" {antimagic,
                  | rC+}.
 25232 | D:14     | 25232 ||| SWAPPING to +6 heavy broad axe.
 25233 | D:14     | 25233 ||| SWAPPING to +9 broad axe "Kosum" {antimagic,
                  | rC+}.
 25234 | D:14     | 25234 ||| SWAPPING to +6 heavy broad axe.
 25235 | D:14     | 25235 ||| SWAPPING to +9 broad axe "Kosum" {antimagic,
                  | rC+}.
 25236 | D:14     | 25236 ||| SWAPPING to +6 heavy broad axe.
 25237 | D:14     | 25237 ||| SWAPPING to +9 broad axe "Kosum" {antimagic,
                  | rC+}.
 25238 | D:14     | 25238 ||| SWAPPING to +6 heavy broad axe.
 25239 | D:14     | 25239 ||| SWAPPING to +9 broad axe "Kosum" {antimagic,
                  | rC+}.
 25240 | D:14     | 25240 ||| SWAPPING to +6 heavy broad axe.
 25241 | D:14     | 25241 ||| SWAPPING to +9 broad axe "Kosum" {antimagic,
                  | rC+}.
 25242 | D:14     | 25242 ||| SWAPPING to +6 heavy broad axe.
 25243 | D:14     | 25243 ||| SWAPPING to +9 broad axe "Kosum" {antimagic,
                  | rC+}.
 25244 | D:14     | 25244 ||| SWAPPING to +6 heavy broad axe.
 25245 | D:14     | 25245 ||| SWAPPING to +9 broad axe "Kosum" {antimagic,
                  | rC+}.
 25246 | D:14     | 25246 ||| SWAPPING to +6 heavy broad axe.
 25247 | D:14     | 25247 ||| SWAPPING to +9 broad axe "Kosum" {antimagic,
                  | rC+}.
 25248 | D:14     | 25248 ||| SWAPPING to +6 heavy broad axe.
 25249 | D:14     | 25249 ||| SWAPPING to +9 broad axe "Kosum" {antimagic,
                  | rC+}.
 25250 | D:14     | 25250 ||| SWAPPING to +6 heavy broad axe.
 25251 | D:14     | 25251 ||| SWAPPING to +9 broad axe "Kosum" {antimagic,
                  | rC+}.
 25252 | D:14     | 25252 ||| SWAPPING to +6 heavy broad axe.
 25253 | D:14     | 25253 ||| SWAPPING to +9 broad axe "Kosum" {antimagic,
                  | rC+}.
 25254 | D:14     | 25254 ||| SWAPPING to +6 heavy broad axe.
 25255 | D:14     | 25255 ||| SWAPPING to +9 broad axe "Kosum" {antimagic,
                  | rC+}.
 25256 | D:14     | 25256 ||| SWAPPING to +6 heavy broad axe.
 25257 | D:14     | 25257 ||| SWAPPING to +9 broad axe "Kosum" {antimagic,
                  | rC+}.
 25258 | D:14     | 25258 ||| SWAPPING to +6 heavy broad axe.
 25259 | D:14     | 25259 ||| SWAPPING to +9 broad axe "Kosum" {antimagic,
                  | rC+}.
 25260 | D:14     | 25260 ||| SWAPPING to +6 heavy broad axe.
 25261 | D:14     | 25261 ||| SWAPPING to +9 broad axe "Kosum" {antimagic,
                  | rC+}.
 25262 | D:14     | 25262 ||| SWAPPING to +6 heavy broad axe.
 25263 | D:14     | 25263 ||| SWAPPING to +9 broad axe "Kosum" {antimagic,
                  | rC+}.
 25264 | D:14     | 25264 ||| SWAPPING to +6 heavy broad axe.
 25265 | D:14     | 25265 ||| SWAPPING to +9 broad axe "Kosum" {antimagic,
                  | rC+}.
 25266 | D:14     | 25266 ||| SWAPPING to +6 heavy broad axe.
 25267 | D:14     | 25267 ||| SWAPPING to +9 broad axe "Kosum" {antimagic,
                  | rC+}.
 25268 | D:14     | 25268 ||| SWAPPING to +6 heavy broad axe.
 25269 | D:14     | 25269 ||| SWAPPING to +9 broad axe "Kosum" {antimagic,
                  | rC+}.
 25270 | D:14     | 25270 ||| SWAPPING to +6 heavy broad axe.
 25271 | D:14     | 25271 ||| SWAPPING to +9 broad axe "Kosum" {antimagic,
                  | rC+}.
 25272 | D:14     | 25272 ||| SWAPPING to +6 heavy broad axe.
 25273 | D:14     | 25273 ||| SWAPPING to +9 broad axe "Kosum" {antimagic,
                  | rC+}.
 25274 | D:14     | 25274 ||| SWAPPING to +6 heavy broad axe.
 25275 | D:14     | 25275 ||| SWAPPING to +9 broad axe "Kosum" {antimagic,
                  | rC+}.
 25276 | D:14     | 25276 ||| SWAPPING to +6 heavy broad axe.
 25277 | D:14     | 25277 ||| SWAPPING to +9 broad axe "Kosum" {antimagic,
                  | rC+}.
 25278 | D:14     | 25278 ||| SWAPPING to +6 heavy broad axe.
 25279 | D:14     | 25279 ||| SWAPPING to +9 broad axe "Kosum" {antimagic,
                  | rC+}.
 25280 | D:14     | 25280 ||| SWAPPING to +6 heavy broad axe.
 25281 | D:14     | 25281 ||| SWAPPING to +9 broad axe "Kosum" {antimagic,
                  | rC+}.
 25282 | D:14     | 25282 ||| SWAPPING to +6 heavy broad axe.
 25283 | D:14     | 25283 ||| SWAPPING to +9 broad axe "Kosum" {antimagic,
                  | rC+}.
 25284 | D:14     | 25284 ||| SWAPPING to +6 heavy broad axe.
 25285 | D:14     | 25285 ||| SWAPPING to +9 broad axe "Kosum" {antimagic,
                  | rC+}.
 25286 | D:14     | 25286 ||| SWAPPING to +6 heavy broad axe.
 25287 | D:14     | 25287 ||| SWAPPING to +9 broad axe "Kosum" {antimagic,
                  | rC+}.
 25288 | D:14     | 25288 ||| SWAPPING to +6 heavy broad axe.
 25289 | D:14     | 25289 ||| SWAPPING to +9 broad axe "Kosum" {antimagic,
                  | rC+}.
 25290 | D:14     | 25290 ||| SWAPPING to +6 heavy broad axe.
 25291 | D:14     | 25291 ||| SWAPPING to +9 broad axe "Kosum" {antimagic,
                  | rC+}.
 25292 | D:14     | 25292 ||| SWAPPING to +6 heavy broad axe.
 25293 | D:14     | 25293 ||| SWAPPING to +9 broad axe "Kosum" {antimagic,
                  | rC+}.
 25294 | D:14     | 25294 ||| SWAPPING to +6 heavy broad axe.
 25295 | D:14     | 25295 ||| SWAPPING to +9 broad axe "Kosum" {antimagic,
                  | rC+}.
 25296 | D:14     | 25296 ||| SWAPPING to +6 heavy broad axe.
 25297 | D:14     | 25297 ||| SWAPPING to +9 broad axe "Kosum" {antimagic,
                  | rC+}.
 25298 | D:14     | 25298 ||| SWAPPING to +6 heavy broad axe.
 25299 | D:14     | 25299 ||| SWAPPING to +9 broad axe "Kosum" {antimagic,
                  | rC+}.
 25300 | D:14     | 25300 ||| SWAPPING to +6 heavy broad axe.
 25301 | D:14     | 25301 ||| SWAPPING to +9 broad axe "Kosum" {antimagic,
                  | rC+}.
 25302 | D:14     | 25302 ||| SWAPPING to +6 heavy broad axe.
 25303 | D:14     | 25303 ||| SWAPPING to +9 broad axe "Kosum" {antimagic,
                  | rC+}.
 25304 | D:14     | 25304 ||| SWAPPING to +6 heavy broad axe.
 25305 | D:14     | 25305 ||| SWAPPING to +9 broad axe "Kosum" {antimagic,
                  | rC+}.
 25306 | D:14     | 25306 ||| SWAPPING to +6 heavy broad axe.
 25307 | D:14     | 25307 ||| SWAPPING to +9 broad axe "Kosum" {antimagic,
                  | rC+}.
 25308 | D:14     | 25308 ||| SWAPPING to +6 heavy broad axe.
 25309 | D:14     | 25309 ||| SWAPPING to +9 broad axe "Kosum" {antimagic,
                  | rC+}.
 25310 | D:14     | 25310 ||| SWAPPING to +6 heavy broad axe.
 25311 | D:14     | 25311 ||| SWAPPING to +9 broad axe "Kosum" {antimagic,
                  | rC+}.
 25312 | D:14     | 25312 ||| SWAPPING to +6 heavy broad axe.
 25313 | D:14     | 25313 ||| SWAPPING to +9 broad axe "Kosum" {antimagic,
                  | rC+}.
 25314 | D:14     | 25314 ||| SWAPPING to +6 heavy broad axe.
 25315 | D:14     | 25315 ||| SWAPPING to +9 broad axe "Kosum" {antimagic,
                  | rC+}.
 25316 | D:14     | 25316 ||| SWAPPING to +6 heavy broad axe.
 25317 | D:14     | 25317 ||| SWAPPING to +9 broad axe "Kosum" {antimagic,
                  | rC+}.
 25318 | D:14     | 25318 ||| SWAPPING to +6 heavy broad axe.
 25319 | D:14     | 25319 ||| SWAPPING to +9 broad axe "Kosum" {antimagic,
                  | rC+}.
 25320 | D:14     | 25320 ||| SWAPPING to +6 heavy broad axe.
 25321 | D:14     | 25321 ||| SWAPPING to +9 broad axe "Kosum" {antimagic,
                  | rC+}.
 25322 | D:14     | 25322 ||| SWAPPING to +6 heavy broad axe.
 25323 | D:14     | 25323 ||| SWAPPING to +9 broad axe "Kosum" {antimagic,
                  | rC+}.
 25324 | D:14     | 25324 ||| SWAPPING to +6 heavy broad axe.
 25325 | D:14     | 25325 ||| SWAPPING to +9 broad axe "Kosum" {antimagic,
                  | rC+}.
 25326 | D:14     | 25326 ||| SWAPPING to +6 heavy broad axe.
 25327 | D:14     | 25327 ||| SWAPPING to +9 broad axe "Kosum" {antimagic,
                  | rC+}.
 25328 | D:14     | 25328 ||| SWAPPING to +6 heavy broad axe.
 25329 | D:14     | 25329 ||| SWAPPING to +9 broad axe "Kosum" {antimagic,
                  | rC+}.
 25330 | D:14     | 25330 ||| SWAPPING to +6 heavy broad axe.
 25331 | D:14     | 25331 ||| SWAPPING to +9 broad axe "Kosum" {antimagic,
                  | rC+}.
 25332 | D:14     | 25332 ||| SWAPPING to +6 heavy broad axe.
 25333 | D:14     | 25333 ||| SWAPPING to +9 broad axe "Kosum" {antimagic,
                  | rC+}.
 25334 | D:14     | 25334 ||| SWAPPING to +6 heavy broad axe.
 25335 | D:14     | 25335 ||| SWAPPING to +9 broad axe "Kosum" {antimagic,
                  | rC+}.
 25336 | D:14     | 25336 ||| SWAPPING to +6 heavy broad axe.
 25337 | D:14     | 25337 ||| SWAPPING to +9 broad axe "Kosum" {antimagic,
                  | rC+}.
 25338 | D:14     | 25338 ||| SWAPPING to +6 heavy broad axe.
 25339 | D:14     | 25339 ||| SWAPPING to +9 broad axe "Kosum" {antimagic,
                  | rC+}.
 25340 | D:14     | 25340 ||| SWAPPING to +6 heavy broad axe.
 25341 | D:14     | 25341 ||| SWAPPING to +9 broad axe "Kosum" {antimagic,
                  | rC+}.
 25342 | D:14     | 25342 ||| SWAPPING to +6 heavy broad axe.
 25343 | D:14     | 25343 ||| SWAPPING to +9 broad axe "Kosum" {antimagic,
                  | rC+}.
 25344 | D:14     | 25344 ||| SWAPPING to +6 heavy broad axe.
 25345 | D:14     | 25345 ||| SWAPPING to +9 broad axe "Kosum" {antimagic,
                  | rC+}.
 25346 | D:14     | 25346 ||| SWAPPING to +6 heavy broad axe.
 25347 | D:14     | 25347 ||| SWAPPING to +9 broad axe "Kosum" {antimagic,
                  | rC+}.
 25348 | D:14     | 25348 ||| SWAPPING to +6 heavy broad axe.
 25349 | D:14     | 25349 ||| SWAPPING to +9 broad axe "Kosum" {antimagic,
                  | rC+}.
 25350 | D:14     | 25350 ||| SWAPPING to +6 heavy broad axe.
 25351 | D:14     | 25351 ||| SWAPPING to +9 broad axe "Kosum" {antimagic,
                  | rC+}.
 25352 | D:14     | 25352 ||| SWAPPING to +6 heavy broad axe.
 25353 | D:14     | 25353 ||| SWAPPING to +9 broad axe "Kosum" {antimagic,
                  | rC+}.
 25354 | D:14     | 25354 ||| SWAPPING to +6 heavy broad axe.
 25355 | D:14     | 25355 ||| SWAPPING to +9 broad axe "Kosum" {antimagic,
                  | rC+}.
 25356 | D:14     | 25356 ||| SWAPPING to +6 heavy broad axe.
 25357 | D:14     | 25357 ||| SWAPPING to +9 broad axe "Kosum" {antimagic,
                  | rC+}.
 25358 | D:14     | 25358 ||| SWAPPING to +6 heavy broad axe.
 25359 | D:14     | 25359 ||| SWAPPING to +9 broad axe "Kosum" {antimagic,
                  | rC+}.
 25360 | D:14     | 25360 ||| SWAPPING to +6 heavy broad axe.
 25361 | D:14     | 25361 ||| SWAPPING to +9 broad axe "Kosum" {antimagic,
                  | rC+}.
 25362 | D:14     | 25362 ||| SWAPPING to +6 heavy broad axe.
 25363 | D:14     | 25363 ||| SWAPPING to +9 broad axe "Kosum" {antimagic,
                  | rC+}.
 25364 | D:14     | 25364 ||| SWAPPING to +6 heavy broad axe.
 25365 | D:14     | 25365 ||| SWAPPING to +9 broad axe "Kosum" {antimagic,
                  | rC+}.
 25366 | D:14     | 25366 ||| SWAPPING to +6 heavy broad axe.
 25367 | D:14     | 25367 ||| SWAPPING to +9 broad axe "Kosum" {antimagic,
                  | rC+}.
 25368 | D:14     | 25368 ||| SWAPPING to +6 heavy broad axe.
 25369 | D:14     | 25369 ||| SWAPPING to +9 broad axe "Kosum" {antimagic,
                  | rC+}.
 25370 | D:14     | 25370 ||| SWAPPING to +6 heavy broad axe.
 25371 | D:14     | 25371 ||| SWAPPING to +9 broad axe "Kosum" {antimagic,
                  | rC+}.
 25372 | D:14     | 25372 ||| SWAPPING to +6 heavy broad axe.
 25373 | D:14     | 25373 ||| SWAPPING to +9 broad axe "Kosum" {antimagic,
                  | rC+}.
 25374 | D:14     | 25374 ||| SWAPPING to +6 heavy broad axe.
 25375 | D:14     | 25375 ||| SWAPPING to +9 broad axe "Kosum" {antimagic,
                  | rC+}.
 25376 | D:14     | 25376 ||| SWAPPING to +6 heavy broad axe.
 25377 | D:14     | 25377 ||| SWAPPING to +9 broad axe "Kosum" {antimagic,
                  | rC+}.
 25378 | D:14     | 25378 ||| SWAPPING to +6 heavy broad axe.
 25379 | D:14     | 25379 ||| SWAPPING to +9 broad axe "Kosum" {antimagic,
                  | rC+}.
 25380 | D:14     | 25380 ||| SWAPPING to +6 heavy broad axe.
 25381 | D:14     | 25381 ||| SWAPPING to +9 broad axe "Kosum" {antimagic,
                  | rC+}.
 25382 | D:14     | 25382 ||| SWAPPING to +6 heavy broad axe.
 25383 | D:14     | 25383 ||| SWAPPING to +9 broad axe "Kosum" {antimagic,
                  | rC+}.
 25384 | D:14     | 25384 ||| SWAPPING to +6 heavy broad axe.
 25385 | D:14     | 25385 ||| SWAPPING to +9 broad axe "Kosum" {antimagic,
                  | rC+}.
 25386 | D:14     | 25386 ||| SWAPPING to +6 heavy broad axe.
 25387 | D:14     | 25387 ||| SWAPPING to +9 broad axe "Kosum" {antimagic,
                  | rC+}.
 25388 | D:14     | 25388 ||| SWAPPING to +6 heavy broad axe.
 25389 | D:14     | 25389 ||| SWAPPING to +9 broad axe "Kosum" {antimagic,
                  | rC+}.
 25390 | D:14     | 25390 ||| SWAPPING to +6 heavy broad axe.
 25391 | D:14     | 25391 ||| SWAPPING to +9 broad axe "Kosum" {antimagic,
                  | rC+}.
 25392 | D:14     | 25392 ||| SWAPPING to +6 heavy broad axe.
 25393 | D:14     | 25393 ||| SWAPPING to +9 broad axe "Kosum" {antimagic,
                  | rC+}.
 25394 | D:14     | 25394 ||| SWAPPING to +6 heavy broad axe.
 25395 | D:14     | 25395 ||| SWAPPING to +9 broad axe "Kosum" {antimagic,
                  | rC+}.
 25396 | D:14     | 25396 ||| SWAPPING to +6 heavy broad axe.
 25397 | D:14     | 25397 ||| SWAPPING to +9 broad axe "Kosum" {antimagic,
                  | rC+}.
 25398 | D:14     | 25398 ||| SWAPPING to +6 heavy broad axe.
 25399 | D:14     | 25399 ||| SWAPPING to +9 broad axe "Kosum" {antimagic,
                  | rC+}.
 25400 | D:14     | 25400 ||| SWAPPING to +6 heavy broad axe.
 25401 | D:14     | 25401 ||| SWAPPING to +9 broad axe "Kosum" {antimagic,
                  | rC+}.
 25402 | D:14     | 25402 ||| SWAPPING to +6 heavy broad axe.
 25403 | D:14     | 25403 ||| SWAPPING to +9 broad axe "Kosum" {antimagic,
                  | rC+}.
 25404 | D:14     | 25404 ||| SWAPPING to +6 heavy broad axe.
 25405 | D:14     | 25405 ||| SWAPPING to +9 broad axe "Kosum" {antimagic,
                  | rC+}.
 25406 | D:14     | 25406 ||| SWAPPING to +6 heavy broad axe.
 25407 | D:14     | 25407 ||| SWAPPING to +9 broad axe "Kosum" {antimagic,
                  | rC+}.
 25408 | D:14     | 25408 ||| SWAPPING to +6 heavy broad axe.
 25409 | D:14     | 25409 ||| SWAPPING to +9 broad axe "Kosum" {antimagic,
                  | rC+}.
 25410 | D:14     | 25410 ||| SWAPPING to +6 heavy broad axe.
 25411 | D:14     | 25411 ||| SWAPPING to +9 broad axe "Kosum" {antimagic,
                  | rC+}.
 25412 | D:14     | 25412 ||| SWAPPING to +6 heavy broad axe.
 25413 | D:14     | 25413 ||| SWAPPING to +9 broad axe "Kosum" {antimagic,
                  | rC+}.
 25414 | D:14     | 25414 ||| SWAPPING to +6 heavy broad axe.
 25415 | D:14     | 25415 ||| SWAPPING to +9 broad axe "Kosum" {antimagic,
                  | rC+}.
 25416 | D:14     | 25416 ||| SWAPPING to +6 heavy broad axe.
 25417 | D:14     | 25417 ||| SWAPPING to +9 broad axe "Kosum" {antimagic,
                  | rC+}.
 25418 | D:14     | 25418 ||| SWAPPING to +6 heavy broad axe.
 25419 | D:14     | 25419 ||| SWAPPING to +9 broad axe "Kosum" {antimagic,
                  | rC+}.
 25420 | D:14     | 25420 ||| SWAPPING to +6 heavy broad axe.
 25421 | D:14     | 25421 ||| SWAPPING to +9 broad axe "Kosum" {antimagic,
                  | rC+}.
 25422 | D:14     | 25422 ||| SWAPPING to +6 heavy broad axe.
 25423 | D:14     | 25423 ||| SWAPPING to +9 broad axe "Kosum" {antimagic,
                  | rC+}.
 25424 | D:14     | 25424 ||| SWAPPING to +6 heavy broad axe.
 25425 | D:14     | 25425 ||| SWAPPING to +9 broad axe "Kosum" {antimagic,
                  | rC+}.
 25426 | D:14     | 25426 ||| SWAPPING to +6 heavy broad axe.
 25427 | D:14     | 25427 ||| SWAPPING to +9 broad axe "Kosum" {antimagic,
                  | rC+}.
 25428 | D:14     | 25428 ||| SWAPPING to +6 heavy broad axe.
 25429 | D:14     | 25429 ||| SWAPPING to +9 broad axe "Kosum" {antimagic,
                  | rC+}.
 25430 | D:14     | 25430 ||| SWAPPING to +6 heavy broad axe.
 25431 | D:14     | 25431 ||| SWAPPING to +9 broad axe "Kosum" {antimagic,
                  | rC+}.
 25432 | D:14     | 25432 ||| SWAPPING to +6 heavy broad axe.
 25433 | D:14     | 25433 ||| SWAPPING to +9 broad axe "Kosum" {antimagic,
                  | rC+}.
 25434 | D:14     | 25434 ||| SWAPPING to +6 heavy broad axe.
 25435 | D:14     | 25435 ||| SWAPPING to +9 broad axe "Kosum" {antimagic,
                  | rC+}.
 25436 | D:14     | 25436 ||| SWAPPING to +6 heavy broad axe.
 25437 | D:14     | 25437 ||| SWAPPING to +9 broad axe "Kosum" {antimagic,
                  | rC+}.
 25438 | D:14     | 25438 ||| SWAPPING to +6 heavy broad axe.
 25439 | D:14     | 25439 ||| SWAPPING to +9 broad axe "Kosum" {antimagic,
                  | rC+}.
 25440 | D:14     | 25440 ||| SWAPPING to +6 heavy broad axe.
 25441 | D:14     | 25441 ||| SWAPPING to +9 broad axe "Kosum" {antimagic,
                  | rC+}.
 25442 | D:14     | 25442 ||| SWAPPING to +6 heavy broad axe.
 25443 | D:14     | 25443 ||| SWAPPING to +9 broad axe "Kosum" {antimagic,
                  | rC+}.
 25444 | D:14     | 25444 ||| SWAPPING to +6 heavy broad axe.
 25445 | D:14     | 25445 ||| SWAPPING to +9 broad axe "Kosum" {antimagic,
                  | rC+}.
 25446 | D:14     | 25446 ||| SWAPPING to +6 heavy broad axe.
 25447 | D:14     | 25447 ||| SWAPPING to +9 broad axe "Kosum" {antimagic,
                  | rC+}.
 25448 | D:14     | 25448 ||| SWAPPING to +6 heavy broad axe.
 25449 | D:14     | 25449 ||| SWAPPING to +9 broad axe "Kosum" {antimagic,
                  | rC+}.
 25450 | D:14     | 25450 ||| SWAPPING to +6 heavy broad axe.
 25451 | D:14     | 25451 ||| SWAPPING to +9 broad axe "Kosum" {antimagic,
                  | rC+}.
 25452 | D:14     | 25452 ||| SWAPPING to +6 heavy broad axe.
 25453 | D:14     | 25453 ||| SWAPPING to +9 broad axe "Kosum" {antimagic,
                  | rC+}.
 25454 | D:14     | 25454 ||| SWAPPING to +6 heavy broad axe.
 25455 | D:14     | 25455 ||| SWAPPING to +9 broad axe "Kosum" {antimagic,
                  | rC+}.
 25456 | D:14     | 25456 ||| SWAPPING to +6 heavy broad axe.
 25457 | D:14     | 25457 ||| SWAPPING to +9 broad axe "Kosum" {antimagic,
                  | rC+}.
 25458 | D:14     | 25458 ||| SWAPPING to +6 heavy broad axe.
 25459 | D:14     | 25459 ||| SWAPPING to +9 broad axe "Kosum" {antimagic,
                  | rC+}.
 25460 | D:14     | 25460 ||| SWAPPING to +6 heavy broad axe.
 25461 | D:14     | 25461 ||| SWAPPING to +9 broad axe "Kosum" {antimagic,
                  | rC+}.
 25462 | D:14     | 25462 ||| SWAPPING to +6 heavy broad axe.
 25463 | D:14     | 25463 ||| SWAPPING to +9 broad axe "Kosum" {antimagic,
                  | rC+}.
 25464 | D:14     | 25464 ||| SWAPPING to +6 heavy broad axe.
 25465 | D:14     | 25465 ||| SWAPPING to +9 broad axe "Kosum" {antimagic,
                  | rC+}.
 25466 | D:14     | 25466 ||| SWAPPING to +6 heavy broad axe.
 25467 | D:14     | 25467 ||| SWAPPING to +9 broad axe "Kosum" {antimagic,
                  | rC+}.
 25468 | D:14     | 25468 ||| SWAPPING to +6 heavy broad axe.
 25469 | D:14     | 25469 ||| SWAPPING to +9 broad axe "Kosum" {antimagic,
                  | rC+}.
 25470 | D:14     | 25470 ||| SWAPPING to +6 heavy broad axe.
 25471 | D:14     | 25471 ||| SWAPPING to +9 broad axe "Kosum" {antimagic,
                  | rC+}.
 25472 | D:14     | 25472 ||| SWAPPING to +6 heavy broad axe.
 25473 | D:14     | 25473 ||| SWAPPING to +9 broad axe "Kosum" {antimagic,
                  | rC+}.
 25474 | D:14     | 25474 ||| SWAPPING to +6 heavy broad axe.
 25475 | D:14     | 25475 ||| SWAPPING to +9 broad axe "Kosum" {antimagic,
                  | rC+}.
 25476 | D:14     | 25476 ||| SWAPPING to +6 heavy broad axe.
 25477 | D:14     | 25477 ||| SWAPPING to +9 broad axe "Kosum" {antimagic,
                  | rC+}.
 25478 | D:14     | 25478 ||| SWAPPING to +6 heavy broad axe.
 25479 | D:14     | 25479 ||| SWAPPING to +9 broad axe "Kosum" {antimagic,
                  | rC+}.
 25480 | D:14     | 25480 ||| SWAPPING to +6 heavy broad axe.
 25481 | D:14     | 25481 ||| SWAPPING to +9 broad axe "Kosum" {antimagic,
                  | rC+}.
 25482 | D:14     | 25482 ||| SWAPPING to +6 heavy broad axe.
 25483 | D:14     | 25483 ||| SWAPPING to +9 broad axe "Kosum" {antimagic,
                  | rC+}.
 25484 | D:14     | 25484 ||| SWAPPING to +6 heavy broad axe.
 25485 | D:14     | 25485 ||| SWAPPING to +9 broad axe "Kosum" {antimagic,
                  | rC+}.
 25486 | D:14     | 25486 ||| SWAPPING to +6 heavy broad axe.
 25487 | D:14     | 25487 ||| SWAPPING to +9 broad axe "Kosum" {antimagic,
                  | rC+}.
 25488 | D:14     | 25488 ||| SWAPPING to +6 heavy broad axe.
 25489 | D:14     | 25489 ||| SWAPPING to +9 broad axe "Kosum" {antimagic,
                  | rC+}.
 25490 | D:14     | 25490 ||| SWAPPING to +6 heavy broad axe.
 25491 | D:14     | 25491 ||| SWAPPING to +9 broad axe "Kosum" {antimagic,
                  | rC+}.
 25492 | D:14     | 25492 ||| SWAPPING to +6 heavy broad axe.
 25493 | D:14     | 25493 ||| SWAPPING to +9 broad axe "Kosum" {antimagic,
                  | rC+}.
 25494 | D:14     | 25494 ||| SWAPPING to +6 heavy broad axe.
 25495 | D:14     | 25495 ||| SWAPPING to +9 broad axe "Kosum" {antimagic,
                  | rC+}.
 25496 | D:14     | 25496 ||| SWAPPING to +6 heavy broad axe.
 25497 | D:14     | 25497 ||| SWAPPING to +9 broad axe "Kosum" {antimagic,
                  | rC+}.
 25498 | D:14     | 25498 ||| SWAPPING to +6 heavy broad axe.
 25499 | D:14     | 25499 ||| SWAPPING to +9 broad axe "Kosum" {antimagic,
                  | rC+}.
 25500 | D:14     | 25500 ||| SWAPPING to +6 heavy broad axe.
 25501 | D:14     | 25501 ||| SWAPPING to +9 broad axe "Kosum" {antimagic,
                  | rC+}.
 25502 | D:14     | 25502 ||| SWAPPING to +6 heavy broad axe.
 25503 | D:14     | 25503 ||| SWAPPING to +9 broad axe "Kosum" {antimagic,
                  | rC+}.
 25504 | D:14     | 25504 ||| SWAPPING to +6 heavy broad axe.
 25505 | D:14     | 25505 ||| SWAPPING to +9 broad axe "Kosum" {antimagic,
                  | rC+}.
 25506 | D:14     | 25506 ||| SWAPPING to +6 heavy broad axe.
 25507 | D:14     | 25507 ||| SWAPPING to +9 broad axe "Kosum" {antimagic,
                  | rC+}.
 25508 | D:14     | 25508 ||| SWAPPING to +6 heavy broad axe.
 25509 | D:14     | 25509 ||| SWAPPING to +9 broad axe "Kosum" {antimagic,
                  | rC+}.
 25510 | D:14     | 25510 ||| SWAPPING to +6 heavy broad axe.
 25511 | D:14     | 25511 ||| SWAPPING to +9 broad axe "Kosum" {antimagic,
                  | rC+}.
 25512 | D:14     | 25512 ||| SWAPPING to +6 heavy broad axe.
 25513 | D:14     | 25513 ||| SWAPPING to +9 broad axe "Kosum" {antimagic,
                  | rC+}.
 25514 | D:14     | 25514 ||| SWAPPING to +6 heavy broad axe.
 25515 | D:14     | 25515 ||| SWAPPING to +9 broad axe "Kosum" {antimagic,
                  | rC+}.
 25516 | D:14     | 25516 ||| SWAPPING to +6 heavy broad axe.
 25517 | D:14     | 25517 ||| SWAPPING to +9 broad axe "Kosum" {antimagic,
                  | rC+}.
 25518 | D:14     | 25518 ||| SWAPPING to +6 heavy broad axe.
 25519 | D:14     | 25519 ||| SWAPPING to +9 broad axe "Kosum" {antimagic,
                  | rC+}.
 25520 | D:14     | 25520 ||| SWAPPING to +6 heavy broad axe.
 25521 | D:14     | 25521 ||| SWAPPING to +9 broad axe "Kosum" {antimagic,
                  | rC+}.
 25522 | D:14     | 25522 ||| SWAPPING to +6 heavy broad axe.
 25523 | D:14     | 25523 ||| SWAPPING to +9 broad axe "Kosum" {antimagic,
                  | rC+}.
 25524 | D:14     | 25524 ||| SWAPPING to +6 heavy broad axe.
 25525 | D:14     | 25525 ||| SWAPPING to +9 broad axe "Kosum" {antimagic,
                  | rC+}.
 25526 | D:14     | 25526 ||| SWAPPING to +6 heavy broad axe.
 25527 | D:14     | 25527 ||| SWAPPING to +9 broad axe "Kosum" {antimagic,
                  | rC+}.
 25528 | D:14     | 25528 ||| SWAPPING to +6 heavy broad axe.
 25529 | D:14     | 25529 ||| SWAPPING to +9 broad axe "Kosum" {antimagic,
                  | rC+}.
 25530 | D:14     | 25530 ||| SWAPPING to +6 heavy broad axe.
 25531 | D:14     | 25531 ||| SWAPPING to +9 broad axe "Kosum" {antimagic,
                  | rC+}.
 25532 | D:14     | 25532 ||| SWAPPING to +6 heavy broad axe.
 25533 | D:14     | 25533 ||| SWAPPING to +9 broad axe "Kosum" {antimagic,
                  | rC+}.
 25534 | D:14     | 25534 ||| SWAPPING to +6 heavy broad axe.
 25535 | D:14     | 25535 ||| SWAPPING to +9 broad axe "Kosum" {antimagic,
                  | rC+}.
 25536 | D:14     | 25536 ||| SWAPPING to +6 heavy broad axe.
 25537 | D:14     | 25537 ||| SWAPPING to +9 broad axe "Kosum" {antimagic,
                  | rC+}.
 25538 | D:14     | 25538 ||| SWAPPING to +6 heavy broad axe.
 25539 | D:14     | 25539 ||| SWAPPING to +9 broad axe "Kosum" {antimagic,
                  | rC+}.
 25540 | D:14     | 25540 ||| SWAPPING to +6 heavy broad axe.
 25541 | D:14     | 25541 ||| SWAPPING to +9 broad axe "Kosum" {antimagic,
                  | rC+}.
 25542 | D:14     | 25542 ||| SWAPPING to +6 heavy broad axe.
 25543 | D:14     | 25543 ||| SWAPPING to +9 broad axe "Kosum" {antimagic,
                  | rC+}.
 25544 | D:14     | 25544 ||| SWAPPING to +6 heavy broad axe.
 25545 | D:14     | 25545 ||| SWAPPING to +9 broad axe "Kosum" {antimagic,
                  | rC+}.
 25546 | D:14     | 25546 ||| SWAPPING to +6 heavy broad axe.
 25547 | D:14     | 25547 ||| SWAPPING to +9 broad axe "Kosum" {antimagic,
                  | rC+}.
 25548 | D:14     | 25548 ||| SWAPPING to +6 heavy broad axe.
 25549 | D:14     | 25549 ||| SWAPPING to +9 broad axe "Kosum" {antimagic,
                  | rC+}.
 25550 | D:14     | 25550 ||| SWAPPING to +6 heavy broad axe.
 25551 | D:14     | 25551 ||| SWAPPING to +9 broad axe "Kosum" {antimagic,
                  | rC+}.
 25552 | D:14     | 25552 ||| SWAPPING to +6 heavy broad axe.
 25553 | D:14     | 25553 ||| SWAPPING to +9 broad axe "Kosum" {antimagic,
                  | rC+}.
 25554 | D:14     | 25554 ||| SWAPPING to +6 heavy broad axe.
 25555 | D:14     | 25555 ||| SWAPPING to +9 broad axe "Kosum" {antimagic,
                  | rC+}.
 25556 | D:14     | 25556 ||| SWAPPING to +6 heavy broad axe.
 25557 | D:14     | 25557 ||| SWAPPING to +9 broad axe "Kosum" {antimagic,
                  | rC+}.
 25558 | D:14     | 25558 ||| SWAPPING to +6 heavy broad axe.
 25559 | D:14     | 25559 ||| SWAPPING to +9 broad axe "Kosum" {antimagic,
                  | rC+}.
 25560 | D:14     | 25560 ||| SWAPPING to +6 heavy broad axe.
 25561 | D:14     | 25561 ||| SWAPPING to +9 broad axe "Kosum" {antimagic,
                  | rC+}.
 25562 | D:14     | 25562 ||| SWAPPING to +6 heavy broad axe.
 25563 | D:14     | 25563 ||| SWAPPING to +9 broad axe "Kosum" {antimagic,
                  | rC+}.
 25564 | D:14     | 25564 ||| SWAPPING to +6 heavy broad axe.
 25565 | D:14     | 25565 ||| SWAPPING to +9 broad axe "Kosum" {antimagic,
                  | rC+}.
 25566 | D:14     | 25566 ||| SWAPPING to +6 heavy broad axe.
 25567 | D:14     | 25567 ||| SWAPPING to +9 broad axe "Kosum" {antimagic,
                  | rC+}.
 25568 | D:14     | 25568 ||| SWAPPING to +6 heavy broad axe.
 25569 | D:14     | 25569 ||| SWAPPING to +9 broad axe "Kosum" {antimagic,
                  | rC+}.
 25570 | D:14     | 25570 ||| SWAPPING to +6 heavy broad axe.
 25571 | D:14     | 25571 ||| SWAPPING to +9 broad axe "Kosum" {antimagic,
                  | rC+}.
 25572 | D:14     | 25572 ||| SWAPPING to +6 heavy broad axe.
 25573 | D:14     | 25573 ||| SWAPPING to +9 broad axe "Kosum" {antimagic,
                  | rC+}.
 25574 | D:14     | 25574 ||| SWAPPING to +6 heavy broad axe.
 25575 | D:14     | 25575 ||| SWAPPING to +9 broad axe "Kosum" {antimagic,
                  | rC+}.
 25576 | D:14     | 25576 ||| SWAPPING to +6 heavy broad axe.
 25577 | D:14     | 25577 ||| SWAPPING to +9 broad axe "Kosum" {antimagic,
                  | rC+}.
 25578 | D:14     | 25578 ||| SWAPPING to +6 heavy broad axe.
 25579 | D:14     | 25579 ||| SWAPPING to +9 broad axe "Kosum" {antimagic,
                  | rC+}.
 25580 | D:14     | 25580 ||| SWAPPING to +6 heavy broad axe.
 25581 | D:14     | 25581 ||| SWAPPING to +9 broad axe "Kosum" {antimagic,
                  | rC+}.
 25582 | D:14     | 25582 ||| SWAPPING to +6 heavy broad axe.
 25583 | D:14     | 25583 ||| SWAPPING to +9 broad axe "Kosum" {antimagic,
                  | rC+}.
 25584 | D:14     | 25584 ||| SWAPPING to +6 heavy broad axe.
 25585 | D:14     | 25585 ||| SWAPPING to +9 broad axe "Kosum" {antimagic,
                  | rC+}.
 25586 | D:14     | 25586 ||| SWAPPING to +6 heavy broad axe.
 25587 | D:14     | 25587 ||| SWAPPING to +9 broad axe "Kosum" {antimagic,
                  | rC+}.
 25588 | D:14     | 25588 ||| SWAPPING to +6 heavy broad axe.
 25589 | D:14     | 25589 ||| SWAPPING to +9 broad axe "Kosum" {antimagic,
                  | rC+}.
 25590 | D:14     | 25590 ||| SWAPPING to +6 heavy broad axe.
 25591 | D:14     | 25591 ||| SWAPPING to +9 broad axe "Kosum" {antimagic,
                  | rC+}.
 25592 | D:14     | 25592 ||| SWAPPING to +6 heavy broad axe.
 25593 | D:14     | 25593 ||| SWAPPING to +9 broad axe "Kosum" {antimagic,
                  | rC+}.
 25594 | D:14     | 25594 ||| SWAPPING to +6 heavy broad axe.
 25595 | D:14     | 25595 ||| SWAPPING to +9 broad axe "Kosum" {antimagic,
                  | rC+}.
 25596 | D:14     | 25596 ||| SWAPPING to +6 heavy broad axe.
 25597 | D:14     | 25597 ||| SWAPPING to +9 broad axe "Kosum" {antimagic,
                  | rC+}.
 25598 | D:14     | 25598 ||| SWAPPING to +6 heavy broad axe.
 25599 | D:14     | 25599 ||| SWAPPING to +9 broad axe "Kosum" {antimagic,
                  | rC+}.
 25600 | D:14     | 25600 ||| SWAPPING to +6 heavy broad axe.
 25601 | D:14     | 25601 ||| SWAPPING to +9 broad axe "Kosum" {antimagic,
                  | rC+}.
 25602 | D:14     | 25602 ||| SWAPPING to +6 heavy broad axe.
 25603 | D:14     | 25603 ||| SWAPPING to +9 broad axe "Kosum" {antimagic,
                  | rC+}.
 25604 | D:14     | 25604 ||| SWAPPING to +6 heavy broad axe.
 25605 | D:14     | 25605 ||| SWAPPING to +9 broad axe "Kosum" {antimagic,
                  | rC+}.
 25606 | D:14     | 25606 ||| SWAPPING to +6 heavy broad axe.
 25607 | D:14     | 25607 ||| SWAPPING to +9 broad axe "Kosum" {antimagic,
                  | rC+}.
 25608 | D:14     | 25608 ||| SWAPPING to +6 heavy broad axe.
 25609 | D:14     | 25609 ||| SWAPPING to +9 broad axe "Kosum" {antimagic,
                  | rC+}.
 25610 | D:14     | 25610 ||| SWAPPING to +6 heavy broad axe.
 25611 | D:14     | 25611 ||| SWAPPING to +9 broad axe "Kosum" {antimagic,
                  | rC+}.
 25612 | D:14     | 25612 ||| SWAPPING to +6 heavy broad axe.
 25613 | D:14     | 25613 ||| SWAPPING to +9 broad axe "Kosum" {antimagic,
                  | rC+}.
 25614 | D:14     | 25614 ||| SWAPPING to +6 heavy broad axe.
 25615 | D:14     | 25615 ||| SWAPPING to +9 broad axe "Kosum" {antimagic,
                  | rC+}.
 25616 | D:14     | 25616 ||| SWAPPING to +6 heavy broad axe.
 25617 | D:14     | 25617 ||| SWAPPING to +9 broad axe "Kosum" {antimagic,
                  | rC+}.
 25618 | D:14     | 25618 ||| SWAPPING to +6 heavy broad axe.
 25619 | D:14     | 25619 ||| SWAPPING to +9 broad axe "Kosum" {antimagic,
                  | rC+}.
 25620 | D:14     | 25620 ||| SWAPPING to +6 heavy broad axe.
 25621 | D:14     | 25621 ||| SWAPPING to +9 broad axe "Kosum" {antimagic,
                  | rC+}.
 25622 | D:14     | 25622 ||| SWAPPING to +6 heavy broad axe.
 25623 | D:14     | 25623 ||| SWAPPING to +9 broad axe "Kosum" {antimagic,
                  | rC+}.
 25624 | D:14     | 25624 ||| SWAPPING to +6 heavy broad axe.
 25625 | D:14     | 25625 ||| SWAPPING to +9 broad axe "Kosum" {antimagic,
                  | rC+}.
 25626 | D:14     | 25626 ||| SWAPPING to +6 heavy broad axe.
 25627 | D:14     | 25627 ||| SWAPPING to +9 broad axe "Kosum" {antimagic,
                  | rC+}.
 25628 | D:14     | 25628 ||| SWAPPING to +6 heavy broad axe.
 25629 | D:14     | 25629 ||| SWAPPING to +9 broad axe "Kosum" {antimagic,
                  | rC+}.
 25630 | D:14     | 25630 ||| SWAPPING to +6 heavy broad axe.
 25631 | D:14     | 25631 ||| SWAPPING to +9 broad axe "Kosum" {antimagic,
                  | rC+}.
 25632 | D:14     | 25632 ||| SWAPPING to +6 heavy broad axe.
 25633 | D:14     | 25633 ||| SWAPPING to +9 broad axe "Kosum" {antimagic,
                  | rC+}.
 25634 | D:14     | 25634 ||| SWAPPING to +6 heavy broad axe.
 25635 | D:14     | 25635 ||| SWAPPING to +9 broad axe "Kosum" {antimagic,
                  | rC+}.
 25636 | D:14     | 25636 ||| SWAPPING to +6 heavy broad axe.
 25637 | D:14     | 25637 ||| SWAPPING to +9 broad axe "Kosum" {antimagic,
                  | rC+}.
 25638 | D:14     | 25638 ||| SWAPPING to +6 heavy broad axe.
 25639 | D:14     | 25639 ||| SWAPPING to +9 broad axe "Kosum" {antimagic,
                  | rC+}.
 25640 | D:14     | 25640 ||| SWAPPING to +6 heavy broad axe.
 25641 | D:14     | 25641 ||| SWAPPING to +9 broad axe "Kosum" {antimagic,
                  | rC+}.
 25642 | D:14     | 25642 ||| SWAPPING to +6 heavy broad axe.
 25643 | D:14     | 25643 ||| SWAPPING to +9 broad axe "Kosum" {antimagic,
                  | rC+}.
 25644 | D:14     | 25644 ||| SWAPPING to +6 heavy broad axe.
 25645 | D:14     | 25645 ||| SWAPPING to +9 broad axe "Kosum" {antimagic,
                  | rC+}.
 25646 | D:14     | 25646 ||| SWAPPING to +6 heavy broad axe.
 25647 | D:14     | 25647 ||| SWAPPING to +9 broad axe "Kosum" {antimagic,
                  | rC+}.
 25648 | D:14     | 25648 ||| SWAPPING to +6 heavy broad axe.
 25649 | D:14     | 25649 ||| SWAPPING to +9 broad axe "Kosum" {antimagic,
                  | rC+}.
 25650 | D:14     | 25650 ||| SWAPPING to +6 heavy broad axe.
 25651 | D:14     | 25651 ||| SWAPPING to +9 broad axe "Kosum" {antimagic,
                  | rC+}.
 25652 | D:14     | 25652 ||| SWAPPING to +6 heavy broad axe.
 25653 | D:14     | 25653 ||| SWAPPING to +9 broad axe "Kosum" {antimagic,
                  | rC+}.
 25654 | D:14     | 25654 ||| SWAPPING to +6 heavy broad axe.
 25655 | D:14     | 25655 ||| SWAPPING to +9 broad axe "Kosum" {antimagic,
                  | rC+}.
 25656 | D:14     | 25656 ||| SWAPPING to +6 heavy broad axe.
 25657 | D:14     | 25657 ||| SWAPPING to +9 broad axe "Kosum" {antimagic,
                  | rC+}.
 25658 | D:14     | 25658 ||| SWAPPING to +6 heavy broad axe.
 25659 | D:14     | 25659 ||| SWAPPING to +9 broad axe "Kosum" {antimagic,
                  | rC+}.
 25660 | D:14     | 25660 ||| SWAPPING to +6 heavy broad axe.
 25661 | D:14     | 25661 ||| SWAPPING to +9 broad axe "Kosum" {antimagic,
                  | rC+}.
 25662 | D:14     | 25662 ||| SWAPPING to +6 heavy broad axe.
 25663 | D:14     | 25663 ||| SWAPPING to +9 broad axe "Kosum" {antimagic,
                  | rC+}.
 25664 | D:14     | 25664 ||| SWAPPING to +6 heavy broad axe.
 25665 | D:14     | 25665 ||| SWAPPING to +9 broad axe "Kosum" {antimagic,
                  | rC+}.
 25666 | D:14     | 25666 ||| SWAPPING to +6 heavy broad axe.
 25667 | D:14     | 25667 ||| SWAPPING to +9 broad axe "Kosum" {antimagic,
                  | rC+}.
 25668 | D:14     | 25668 ||| SWAPPING to +6 heavy broad axe.
 25669 | D:14     | 25669 ||| SWAPPING to +9 broad axe "Kosum" {antimagic,
                  | rC+}.
 25670 | D:14     | 25670 ||| SWAPPING to +6 heavy broad axe.
 25671 | D:14     | 25671 ||| SWAPPING to +9 broad axe "Kosum" {antimagic,
                  | rC+}.
 25672 | D:14     | 25672 ||| SWAPPING to +6 heavy broad axe.
 25673 | D:14     | 25673 ||| SWAPPING to +9 broad axe "Kosum" {antimagic,
                  | rC+}.
 25674 | D:14     | 25674 ||| SWAPPING to +6 heavy broad axe.
 25675 | D:14     | 25675 ||| SWAPPING to +9 broad axe "Kosum" {antimagic,
                  | rC+}.
 25676 | D:14     | 25676 ||| SWAPPING to +6 heavy broad axe.
 25677 | D:14     | 25677 ||| SWAPPING to +9 broad axe "Kosum" {antimagic,
                  | rC+}.
 25678 | D:14     | 25678 ||| SWAPPING to +6 heavy broad axe.
 25679 | D:14     | 25679 ||| SWAPPING to +9 broad axe "Kosum" {antimagic,
                  | rC+}.
 25680 | D:14     | 25680 ||| SWAPPING to +6 heavy broad axe.
 25681 | D:14     | 25681 ||| SWAPPING to +9 broad axe "Kosum" {antimagic,
                  | rC+}.
 25682 | D:14     | 25682 ||| SWAPPING to +6 heavy broad axe.
 25683 | D:14     | 25683 ||| SWAPPING to +9 broad axe "Kosum" {antimagic,
                  | rC+}.
 25684 | D:14     | 25684 ||| SWAPPING to +6 heavy broad axe.
 25685 | D:14     | 25685 ||| SWAPPING to +9 broad axe "Kosum" {antimagic,
                  | rC+}.
 25686 | D:14     | 25686 ||| SWAPPING to +6 heavy broad axe.
 25687 | D:14     | 25687 ||| SWAPPING to +9 broad axe "Kosum" {antimagic,
                  | rC+}.
 25688 | D:14     | 25688 ||| SWAPPING to +6 heavy broad axe.
 25689 | D:14     | 25689 ||| SWAPPING to +9 broad axe "Kosum" {antimagic,
                  | rC+}.
 25690 | D:14     | 25690 ||| SWAPPING to +6 heavy broad axe.
 25691 | D:14     | 25691 ||| SWAPPING to +9 broad axe "Kosum" {antimagic,
                  | rC+}.
 25692 | D:14     | 25692 ||| SWAPPING to +6 heavy broad axe.
 25693 | D:14     | 25693 ||| SWAPPING to +9 broad axe "Kosum" {antimagic,
                  | rC+}.
 25694 | D:14     | 25694 ||| SWAPPING to +6 heavy broad axe.
 25695 | D:14     | 25695 ||| SWAPPING to +9 broad axe "Kosum" {antimagic,
                  | rC+}.
 25696 | D:14     | 25696 ||| SWAPPING to +6 heavy broad axe.
 25697 | D:14     | 25697 ||| SWAPPING to +9 broad axe "Kosum" {antimagic,
                  | rC+}.
 25698 | D:14     | 25698 ||| SWAPPING to +6 heavy broad axe.
 25699 | D:14     | 25699 ||| SWAPPING to +9 broad axe "Kosum" {antimagic,
                  | rC+}.
 25700 | D:14     | 25700 ||| SWAPPING to +6 heavy broad axe.
 25701 | D:14     | 25701 ||| SWAPPING to +9 broad axe "Kosum" {antimagic,
                  | rC+}.
 25702 | D:14     | 25702 ||| SWAPPING to +6 heavy broad axe.
 25703 | D:14     | 25703 ||| SWAPPING to +9 broad axe "Kosum" {antimagic,
                  | rC+}.
 25704 | D:14     | 25704 ||| SWAPPING to +6 heavy broad axe.
 25705 | D:14     | 25705 ||| SWAPPING to +9 broad axe "Kosum" {antimagic,
                  | rC+}.
 25706 | D:14     | 25706 ||| SWAPPING to +6 heavy broad axe.
 25707 | D:14     | 25707 ||| SWAPPING to +9 broad axe "Kosum" {antimagic,
                  | rC+}.
 25708 | D:14     | 25708 ||| SWAPPING to +6 heavy broad axe.
 25709 | D:14     | 25709 ||| SWAPPING to +9 broad axe "Kosum" {antimagic,
                  | rC+}.
 25710 | D:14     | 25710 ||| SWAPPING to +6 heavy broad axe.
 25711 | D:14     | 25711 ||| SWAPPING to +9 broad axe "Kosum" {antimagic,
                  | rC+}.
 25712 | D:14     | 25712 ||| SWAPPING to +6 heavy broad axe.
 25713 | D:14     | 25713 ||| SWAPPING to +9 broad axe "Kosum" {antimagic,
                  | rC+}.
 25714 | D:14     | 25714 ||| SWAPPING to +6 heavy broad axe.
 25715 | D:14     | 25715 ||| SWAPPING to +9 broad axe "Kosum" {antimagic,
                  | rC+}.
 25716 | D:14     | 25716 ||| SWAPPING to +6 heavy broad axe.
 25717 | D:14     | 25717 ||| SWAPPING to +9 broad axe "Kosum" {antimagic,
                  | rC+}.
 25718 | D:14     | 25718 ||| SWAPPING to +6 heavy broad axe.
 25719 | D:14     | 25719 ||| SWAPPING to +9 broad axe "Kosum" {antimagic,
                  | rC+}.
 25720 | D:14     | 25720 ||| SWAPPING to +6 heavy broad axe.
 25721 | D:14     | 25721 ||| SWAPPING to +9 broad axe "Kosum" {antimagic,
                  | rC+}.
 25722 | D:14     | 25722 ||| SWAPPING to +6 heavy broad axe.
 25723 | D:14     | 25723 ||| SWAPPING to +9 broad axe "Kosum" {antimagic,
                  | rC+}.
 25724 | D:14     | 25724 ||| SWAPPING to +6 heavy broad axe.
 25725 | D:14     | 25725 ||| SWAPPING to +9 broad axe "Kosum" {antimagic,
                  | rC+}.
 25726 | D:14     | 25726 ||| SWAPPING to +6 heavy broad axe.
 25727 | D:14     | 25727 ||| SWAPPING to +9 broad axe "Kosum" {antimagic,
                  | rC+}.
 25728 | D:14     | 25728 ||| SWAPPING to +6 heavy broad axe.
 25729 | D:14     | 25729 ||| SWAPPING to +9 broad axe "Kosum" {antimagic,
                  | rC+}.
 25730 | D:14     | 25730 ||| SWAPPING to +6 heavy broad axe.
 25731 | D:14     | 25731 ||| SWAPPING to +9 broad axe "Kosum" {antimagic,
                  | rC+}.
 25732 | D:14     | 25732 ||| SWAPPING to +6 heavy broad axe.
 25733 | D:14     | 25733 ||| SWAPPING to +9 broad axe "Kosum" {antimagic,
                  | rC+}.
 25734 | D:14     | 25734 ||| SWAPPING to +6 heavy broad axe.
 25735 | D:14     | 25735 ||| SWAPPING to +9 broad axe "Kosum" {antimagic,
                  | rC+}.
 25736 | D:14     | 25736 ||| SWAPPING to +6 heavy broad axe.
 25737 | D:14     | 25737 ||| SWAPPING to +9 broad axe "Kosum" {antimagic,
                  | rC+}.
 25738 | D:14     | 25738 ||| SWAPPING to +6 heavy broad axe.
 25739 | D:14     | 25739 ||| SWAPPING to +9 broad axe "Kosum" {antimagic,
                  | rC+}.
 25740 | D:14     | 25740 ||| SWAPPING to +6 heavy broad axe.
 25741 | D:14     | 25741 ||| SWAPPING to +9 broad axe "Kosum" {antimagic,
                  | rC+}.
 25742 | D:14     | 25742 ||| SWAPPING to +6 heavy broad axe.
 25743 | D:14     | 25743 ||| SWAPPING to +9 broad axe "Kosum" {antimagic,
                  | rC+}.
 25744 | D:14     | 25744 ||| SWAPPING to +6 heavy broad axe.
 25745 | D:14     | 25745 ||| SWAPPING to +9 broad axe "Kosum" {antimagic,
                  | rC+}.
 25746 | D:14     | 25746 ||| SWAPPING to +6 heavy broad axe.
 25747 | D:14     | 25747 ||| SWAPPING to +9 broad axe "Kosum" {antimagic,
                  | rC+}.
 25748 | D:14     | 25748 ||| SWAPPING to +6 heavy broad axe.
 25749 | D:14     | 25749 ||| SWAPPING to +9 broad axe "Kosum" {antimagic,
                  | rC+}.
 25750 | D:14     | 25750 ||| SWAPPING to +6 heavy broad axe.
 25751 | D:14     | 25751 ||| SWAPPING to +9 broad axe "Kosum" {antimagic,
                  | rC+}.
 25752 | D:14     | 25752 ||| SWAPPING to +6 heavy broad axe.
 25753 | D:14     | 25753 ||| SWAPPING to +9 broad axe "Kosum" {antimagic,
                  | rC+}.
 25754 | D:14     | 25754 ||| SWAPPING to +6 heavy broad axe.
 25755 | D:14     | 25755 ||| SWAPPING to +9 broad axe "Kosum" {antimagic,
                  | rC+}.
 25756 | D:14     | 25756 ||| SWAPPING to +6 heavy broad axe.
 25757 | D:14     | 25757 ||| SWAPPING to +9 broad axe "Kosum" {antimagic,
                  | rC+}.
 25758 | D:14     | 25758 ||| SWAPPING to +6 heavy broad axe.
 25759 | D:14     | 25759 ||| SWAPPING to +9 broad axe "Kosum" {antimagic,
                  | rC+}.
 25760 | D:14     | 25760 ||| SWAPPING to +6 heavy broad axe.
 25761 | D:14     | 25761 ||| SWAPPING to +9 broad axe "Kosum" {antimagic,
                  | rC+}.
 25762 | D:14     | 25762 ||| SWAPPING to +6 heavy broad axe.
 25763 | D:14     | 25763 ||| SWAPPING to +9 broad axe "Kosum" {antimagic,
                  | rC+}.
 25764 | D:14     | 25764 ||| SWAPPING to +6 heavy broad axe.
 25765 | D:14     | 25765 ||| SWAPPING to +9 broad axe "Kosum" {antimagic,
                  | rC+}.
 25766 | D:14     | 25766 ||| SWAPPING to +6 heavy broad axe.
 25767 | D:14     | 25767 ||| SWAPPING to +9 broad axe "Kosum" {antimagic,
                  | rC+}.
 25768 | D:14     | 25768 ||| SWAPPING to +6 heavy broad axe.
 25769 | D:14     | 25769 ||| SWAPPING to +9 broad axe "Kosum" {antimagic,
                  | rC+}.
 25770 | D:14     | 25770 ||| SWAPPING to +6 heavy broad axe.
 25771 | D:14     | 25771 ||| SWAPPING to +9 broad axe "Kosum" {antimagic,
                  | rC+}.
 25772 | D:14     | 25772 ||| SWAPPING to +6 heavy broad axe.
 25773 | D:14     | 25773 ||| SWAPPING to +9 broad axe "Kosum" {antimagic,
                  | rC+}.
 25774 | D:14     | 25774 ||| SWAPPING to +6 heavy broad axe.
 25775 | D:14     | 25775 ||| SWAPPING to +9 broad axe "Kosum" {antimagic,
                  | rC+}.
 25776 | D:14     | 25776 ||| SWAPPING to +6 heavy broad axe.
 25777 | D:14     | 25777 ||| SWAPPING to +9 broad axe "Kosum" {antimagic,
                  | rC+}.
 25778 | D:14     | 25778 ||| SWAPPING to +6 heavy broad axe.
 25779 | D:14     | 25779 ||| SWAPPING to +9 broad axe "Kosum" {antimagic,
                  | rC+}.
 25780 | D:14     | 25780 ||| SWAPPING to +6 heavy broad axe.
 25781 | D:14     | 25781 ||| SWAPPING to +9 broad axe "Kosum" {antimagic,
                  | rC+}.
 25782 | D:14     | 25782 ||| SWAPPING to +6 heavy broad axe.
 25783 | D:14     | 25783 ||| SWAPPING to +9 broad axe "Kosum" {antimagic,
                  | rC+}.
 25784 | D:14     | 25784 ||| SWAPPING to +6 heavy broad axe.
 25785 | D:14     | 25785 ||| SWAPPING to +9 broad axe "Kosum" {antimagic,
                  | rC+}.
 25786 | D:14     | 25786 ||| SWAPPING to +6 heavy broad axe.
 25787 | D:14     | 25787 ||| SWAPPING to +9 broad axe "Kosum" {antimagic,
                  | rC+}.
 25788 | D:14     | 25788 ||| SWAPPING to +6 heavy broad axe.
 25789 | D:14     | 25789 ||| SWAPPING to +9 broad axe "Kosum" {antimagic,
                  | rC+}.
 25790 | D:14     | 25790 ||| SWAPPING to +6 heavy broad axe.
 25791 | D:14     | 25791 ||| SWAPPING to +9 broad axe "Kosum" {antimagic,
                  | rC+}.
 25792 | D:14     | 25792 ||| SWAPPING to +6 heavy broad axe.
 25793 | D:14     | 25793 ||| SWAPPING to +9 broad axe "Kosum" {antimagic,
                  | rC+}.
 25794 | D:14     | 25794 ||| SWAPPING to +6 heavy broad axe.
 25795 | D:14     | 25795 ||| SWAPPING to +9 broad axe "Kosum" {antimagic,
                  | rC+}.
 25796 | D:14     | 25796 ||| SWAPPING to +6 heavy broad axe.
 25797 | D:14     | 25797 ||| SWAPPING to +9 broad axe "Kosum" {antimagic,
                  | rC+}.
 25798 | D:14     | 25798 ||| SWAPPING to +6 heavy broad axe.
 25799 | D:14     | 25799 ||| SWAPPING to +9 broad axe "Kosum" {antimagic,
                  | rC+}.
 25800 | D:14     | 25800 ||| SWAPPING to +6 heavy broad axe.
 25801 | D:14     | 25801 ||| SWAPPING to +9 broad axe "Kosum" {antimagic,
                  | rC+}.
 25802 | D:14     | 25802 ||| SWAPPING to +6 heavy broad axe.
 25803 | D:14     | 25803 ||| SWAPPING to +9 broad axe "Kosum" {antimagic,
                  | rC+}.
 25804 | D:14     | 25804 ||| SWAPPING to +6 heavy broad axe.
 25805 | D:14     | 25805 ||| SWAPPING to +9 broad axe "Kosum" {antimagic,
                  | rC+}.
 25806 | D:14     | 25806 ||| SWAPPING to +6 heavy broad axe.
 25807 | D:14     | 25807 ||| SWAPPING to +9 broad axe "Kosum" {antimagic,
                  | rC+}.
 25808 | D:14     | 25808 ||| SWAPPING to +6 heavy broad axe.
 25809 | D:14     | 25809 ||| SWAPPING to +9 broad axe "Kosum" {antimagic,
                  | rC+}.
 25810 | D:14     | 25810 ||| SWAPPING to +6 heavy broad axe.
 25811 | D:14     | 25811 ||| SWAPPING to +9 broad axe "Kosum" {antimagic,
                  | rC+}.
 25812 | D:14     | 25812 ||| SWAPPING to +6 heavy broad axe.
 25813 | D:14     | 25813 ||| SWAPPING to +9 broad axe "Kosum" {antimagic,
                  | rC+}.
 25814 | D:14     | 25814 ||| SWAPPING to +6 heavy broad axe.
 25815 | D:14     | 25815 ||| SWAPPING to +9 broad axe "Kosum" {antimagic,
                  | rC+}.
 25816 | D:14     | 25816 ||| SWAPPING to +6 heavy broad axe.
 25817 | D:14     | 25817 ||| SWAPPING to +9 broad axe "Kosum" {antimagic,
                  | rC+}.
 25818 | D:14     | 25818 ||| SWAPPING to +6 heavy broad axe.
 25819 | D:14     | 25819 ||| SWAPPING to +9 broad axe "Kosum" {antimagic,
                  | rC+}.
 25820 | D:14     | 25820 ||| SWAPPING to +6 heavy broad axe.
 25821 | D:14     | 25821 ||| SWAPPING to +9 broad axe "Kosum" {antimagic,
                  | rC+}.
 25822 | D:14     | 25822 ||| SWAPPING to +6 heavy broad axe.
 25823 | D:14     | 25823 ||| SWAPPING to +9 broad axe "Kosum" {antimagic,
                  | rC+}.
 25824 | D:14     | 25824 ||| SWAPPING to +6 heavy broad axe.
 25825 | D:14     | 25825 ||| SWAPPING to +9 broad axe "Kosum" {antimagic,
                  | rC+}.
 25826 | D:14     | 25826 ||| SWAPPING to +6 heavy broad axe.
 25827 | D:14     | 25827 ||| SWAPPING to +9 broad axe "Kosum" {antimagic,
                  | rC+}.
 25828 | D:14     | 25828 ||| SWAPPING to +6 heavy broad axe.
 25829 | D:14     | 25829 ||| SWAPPING to +9 broad axe "Kosum" {antimagic,
                  | rC+}.
 25830 | D:14     | 25830 ||| SWAPPING to +6 heavy broad axe.
 25831 | D:14     | 25831 ||| SWAPPING to +9 broad axe "Kosum" {antimagic,
                  | rC+}.
 25832 | D:14     | 25832 ||| SWAPPING to +6 heavy broad axe.
 25833 | D:14     | 25833 ||| SWAPPING to +9 broad axe "Kosum" {antimagic,
                  | rC+}.
 25834 | D:14     | 25834 ||| SWAPPING to +6 heavy broad axe.
 25835 | D:14     | 25835 ||| SWAPPING to +9 broad axe "Kosum" {antimagic,
                  | rC+}.
 25836 | D:14     | 25836 ||| SWAPPING to +6 heavy broad axe.
 25837 | D:14     | 25837 ||| SWAPPING to +9 broad axe "Kosum" {antimagic,
                  | rC+}.
 25838 | D:14     | 25838 ||| SWAPPING to +6 heavy broad axe.
 25839 | D:14     | 25839 ||| SWAPPING to +9 broad axe "Kosum" {antimagic,
                  | rC+}.
 25840 | D:14     | 25840 ||| SWAPPING to +6 heavy broad axe.
 25841 | D:14     | 25841 ||| SWAPPING to +9 broad axe "Kosum" {antimagic,
                  | rC+}.
 25842 | D:14     | 25842 ||| SWAPPING to +6 heavy broad axe.
 25843 | D:14     | 25843 ||| SWAPPING to +9 broad axe "Kosum" {antimagic,
                  | rC+}.
 25844 | D:14     | 25844 ||| SWAPPING to +6 heavy broad axe.
 25845 | D:14     | 25845 ||| SWAPPING to +9 broad axe "Kosum" {antimagic,
                  | rC+}.
 25846 | D:14     | 25846 ||| SWAPPING to +6 heavy broad axe.
 25847 | D:14     | 25847 ||| SWAPPING to +9 broad axe "Kosum" {antimagic,
                  | rC+}.
 25848 | D:14     | 25848 ||| SWAPPING to +6 heavy broad axe.
 25849 | D:14     | 25849 ||| SWAPPING to +9 broad axe "Kosum" {antimagic,
                  | rC+}.
 25850 | D:14     | 25850 ||| SWAPPING to +6 heavy broad axe.
 25851 | D:14     | 25851 ||| SWAPPING to +9 broad axe "Kosum" {antimagic,
                  | rC+}.
 25852 | D:14     | 25852 ||| SWAPPING to +6 heavy broad axe.
 25853 | D:14     | 25853 ||| SWAPPING to +9 broad axe "Kosum" {antimagic,
                  | rC+}.
 25854 | D:14     | 25854 ||| SWAPPING to +6 heavy broad axe.
 25855 | D:14     | 25855 ||| SWAPPING to +9 broad axe "Kosum" {antimagic,
                  | rC+}.
 25856 | D:14     | 25856 ||| SWAPPING to +6 heavy broad axe.
 25857 | D:14     | 25857 ||| SWAPPING to +9 broad axe "Kosum" {antimagic,
                  | rC+}.
 25858 | D:14     | 25858 ||| SWAPPING to +6 heavy broad axe.
 25859 | D:14     | 25859 ||| SWAPPING to +9 broad axe "Kosum" {antimagic,
                  | rC+}.
 25860 | D:14     | 25860 ||| SWAPPING to +6 heavy broad axe.
 25861 | D:14     | 25861 ||| SWAPPING to +9 broad axe "Kosum" {antimagic,
                  | rC+}.
 25862 | D:14     | 25862 ||| SWAPPING to +6 heavy broad axe.
 25863 | D:14     | 25863 ||| SWAPPING to +9 broad axe "Kosum" {antimagic,
                  | rC+}.
 25864 | D:14     | 25864 ||| SWAPPING to +6 heavy broad axe.
 25865 | D:14     | 25865 ||| SWAPPING to +9 broad axe "Kosum" {antimagic,
                  | rC+}.
 25866 | D:14     | 25866 ||| SWAPPING to +6 heavy broad axe.
 25867 | D:14     | 25867 ||| SWAPPING to +9 broad axe "Kosum" {antimagic,
                  | rC+}.
 25868 | D:14     | 25868 ||| SWAPPING to +6 heavy broad axe.
 25869 | D:14     | 25869 ||| SWAPPING to +9 broad axe "Kosum" {antimagic,
                  | rC+}.
 25870 | D:14     | 25870 ||| SWAPPING to +6 heavy broad axe.
 25871 | D:14     | 25871 ||| SWAPPING to +9 broad axe "Kosum" {antimagic,
                  | rC+}.
 25872 | D:14     | 25872 ||| SWAPPING to +6 heavy broad axe.
 25873 | D:14     | 25873 ||| SWAPPING to +9 broad axe "Kosum" {antimagic,
                  | rC+}.
 25874 | D:14     | 25874 ||| SWAPPING to +6 heavy broad axe.
 25875 | D:14     | 25875 ||| SWAPPING to +9 broad axe "Kosum" {antimagic,
                  | rC+}.
 25876 | D:14     | 25876 ||| SWAPPING to +6 heavy broad axe.
 25877 | D:14     | 25877 ||| SWAPPING to +9 broad axe "Kosum" {antimagic,
                  | rC+}.
 25878 | D:14     | 25878 ||| SWAPPING to +6 heavy broad axe.
 25879 | D:14     | 25879 ||| SWAPPING to +9 broad axe "Kosum" {antimagic,
                  | rC+}.
 25880 | D:14     | 25880 ||| SWAPPING to +6 heavy broad axe.
 25881 | D:14     | 25881 ||| SWAPPING to +9 broad axe "Kosum" {antimagic,
                  | rC+}.
 25882 | D:14     | 25882 ||| SWAPPING to +6 heavy broad axe.
 25883 | D:14     | 25883 ||| SWAPPING to +9 broad axe "Kosum" {antimagic,
                  | rC+}.
 25884 | D:14     | 25884 ||| SWAPPING to +6 heavy broad axe.
 25885 | D:14     | 25885 ||| SWAPPING to +9 broad axe "Kosum" {antimagic,
                  | rC+}.
 25886 | D:14     | 25886 ||| SWAPPING to +6 heavy broad axe.
 25887 | D:14     | 25887 ||| SWAPPING to +9 broad axe "Kosum" {antimagic,
                  | rC+}.
 25888 | D:14     | 25888 ||| SWAPPING to +6 heavy broad axe.
 25889 | D:14     | 25889 ||| SWAPPING to +9 broad axe "Kosum" {antimagic,
                  | rC+}.
 25890 | D:14     | 25890 ||| SWAPPING to +6 heavy broad axe.
 25891 | D:14     | 25891 ||| SWAPPING to +9 broad axe "Kosum" {antimagic,
                  | rC+}.
 25892 | D:14     | 25892 ||| SWAPPING to +6 heavy broad axe.
 25893 | D:14     | 25893 ||| SWAPPING to +9 broad axe "Kosum" {antimagic,
                  | rC+}.
 25894 | D:14     | 25894 ||| SWAPPING to +6 heavy broad axe.
 25895 | D:14     | 25895 ||| SWAPPING to +9 broad axe "Kosum" {antimagic,
                  | rC+}.
 25896 | D:14     | 25896 ||| SWAPPING to +6 heavy broad axe.
 25897 | D:14     | 25897 ||| SWAPPING to +9 broad axe "Kosum" {antimagic,
                  | rC+}.
 25898 | D:14     | 25898 ||| SWAPPING to +6 heavy broad axe.
 25899 | D:14     | 25899 ||| SWAPPING to +9 broad axe "Kosum" {antimagic,
                  | rC+}.
 25900 | D:14     | 25900 ||| SWAPPING to +6 heavy broad axe.
 25901 | D:14     | 25901 ||| SWAPPING to +9 broad axe "Kosum" {antimagic,
                  | rC+}.
 25902 | D:14     | 25902 ||| SWAPPING to +6 heavy broad axe.
 25903 | D:14     | 25903 ||| SWAPPING to +9 broad axe "Kosum" {antimagic,
                  | rC+}.
 25904 | D:14     | 25904 ||| SWAPPING to +6 heavy broad axe.
 25905 | D:14     | 25905 ||| SWAPPING to +9 broad axe "Kosum" {antimagic,
                  | rC+}.
 25906 | D:14     | 25906 ||| SWAPPING to +6 heavy broad axe.
 25907 | D:14     | 25907 ||| SWAPPING to +9 broad axe "Kosum" {antimagic,
                  | rC+}.
 25908 | D:14     | 25908 ||| SWAPPING to +6 heavy broad axe.
 25909 | D:14     | 25909 ||| SWAPPING to +9 broad axe "Kosum" {antimagic,
                  | rC+}.
 25910 | D:14     | 25910 ||| SWAPPING to +6 heavy broad axe.
 25911 | D:14     | 25911 ||| SWAPPING to +9 broad axe "Kosum" {antimagic,
                  | rC+}.
 25912 | D:14     | 25912 ||| SWAPPING to +6 heavy broad axe.
 25913 | D:14     | 25913 ||| SWAPPING to +9 broad axe "Kosum" {antimagic,
                  | rC+}.
 25914 | D:14     | 25914 ||| SWAPPING to +6 heavy broad axe.
 25915 | D:14     | 25915 ||| SWAPPING to +9 broad axe "Kosum" {antimagic,
                  | rC+}.
 25916 | D:14     | 25916 ||| SWAPPING to +6 heavy broad axe.
 25917 | D:14     | 25917 ||| SWAPPING to +9 broad axe "Kosum" {antimagic,
                  | rC+}.
 25918 | D:14     | 25918 ||| SWAPPING to +6 heavy broad axe.
 25919 | D:14     | 25919 ||| SWAPPING to +9 broad axe "Kosum" {antimagic,
                  | rC+}.
 25920 | D:14     | 25920 ||| SWAPPING to +6 heavy broad axe.
 25921 | D:14     | 25921 ||| SWAPPING to +9 broad axe "Kosum" {antimagic,
                  | rC+}.
 25922 | D:14     | 25922 ||| SWAPPING to +6 heavy broad axe.
 25923 | D:14     | 25923 ||| SWAPPING to +9 broad axe "Kosum" {antimagic,
                  | rC+}.
 25924 | D:14     | 25924 ||| SWAPPING to +6 heavy broad axe.
 25925 | D:14     | 25925 ||| SWAPPING to +9 broad axe "Kosum" {antimagic,
                  | rC+}.
 25926 | D:14     | 25926 ||| SWAPPING to +6 heavy broad axe.
 25927 | D:14     | 25927 ||| SWAPPING to +9 broad axe "Kosum" {antimagic,
                  | rC+}.
 25928 | D:14     | 25928 ||| SWAPPING to +6 heavy broad axe.
 25929 | D:14     | 25929 ||| SWAPPING to +9 broad axe "Kosum" {antimagic,
                  | rC+}.
 25930 | D:14     | 25930 ||| SWAPPING to +6 heavy broad axe.
 25931 | D:14     | 25931 ||| SWAPPING to +9 broad axe "Kosum" {antimagic,
                  | rC+}.
 25932 | D:14     | 25932 ||| SWAPPING to +6 heavy broad axe.
 25933 | D:14     | 25933 ||| SWAPPING to +9 broad axe "Kosum" {antimagic,
                  | rC+}.
 25934 | D:14     | 25934 ||| SWAPPING to +6 heavy broad axe.
 25935 | D:14     | 25935 ||| SWAPPING to +9 broad axe "Kosum" {antimagic,
                  | rC+}.
 25936 | D:14     | 25936 ||| SWAPPING to +6 heavy broad axe.
 25937 | D:14     | 25937 ||| SWAPPING to +9 broad axe "Kosum" {antimagic,
                  | rC+}.
 25938 | D:14     | 25938 ||| SWAPPING to +6 heavy broad axe.
 25939 | D:14     | 25939 ||| SWAPPING to +9 broad axe "Kosum" {antimagic,
                  | rC+}.
 25940 | D:14     | 25940 ||| SWAPPING to +6 heavy broad axe.
 25941 | D:14     | 25941 ||| SWAPPING to +9 broad axe "Kosum" {antimagic,
                  | rC+}.
 25942 | D:14     | 25942 ||| SWAPPING to +6 heavy broad axe.
 25943 | D:14     | 25943 ||| SWAPPING to +9 broad axe "Kosum" {antimagic,
                  | rC+}.
 25944 | D:14     | 25944 ||| SWAPPING to +6 heavy broad axe.
 25945 | D:14     | 25945 ||| SWAPPING to +9 broad axe "Kosum" {antimagic,
                  | rC+}.
 25946 | D:14     | 25946 ||| SWAPPING to +6 heavy broad axe.
 25947 | D:14     | 25947 ||| SWAPPING to +9 broad axe "Kosum" {antimagic,
                  | rC+}.
 25948 | D:14     | 25948 ||| SWAPPING to +6 heavy broad axe.
 25949 | D:14     | 25949 ||| SWAPPING to +9 broad axe "Kosum" {antimagic,
                  | rC+}.
 25950 | D:14     | 25950 ||| SWAPPING to +6 heavy broad axe.
 25951 | D:14     | 25951 ||| SWAPPING to +9 broad axe "Kosum" {antimagic,
                  | rC+}.
 25952 | D:14     | 25952 ||| SWAPPING to +6 heavy broad axe.
 25953 | D:14     | 25953 ||| SWAPPING to +9 broad axe "Kosum" {antimagic,
                  | rC+}.
 25954 | D:14     | 25954 ||| SWAPPING to +6 heavy broad axe.
 25955 | D:14     | 25955 ||| SWAPPING to +9 broad axe "Kosum" {antimagic,
                  | rC+}.
 25956 | D:14     | 25956 ||| SWAPPING to +6 heavy broad axe.
 25957 | D:14     | 25957 ||| SWAPPING to +9 broad axe "Kosum" {antimagic,
                  | rC+}.
 25958 | D:14     | 25958 ||| SWAPPING to +6 heavy broad axe.
 25959 | D:14     | 25959 ||| SWAPPING to +9 broad axe "Kosum" {antimagic,
                  | rC+}.
 25960 | D:14     | 25960 ||| SWAPPING to +6 heavy broad axe.
 25961 | D:14     | 25961 ||| SWAPPING to +9 broad axe "Kosum" {antimagic,
                  | rC+}.
 25962 | D:14     | 25962 ||| SWAPPING to +6 heavy broad axe.
 25963 | D:14     | 25963 ||| SWAPPING to +9 broad axe "Kosum" {antimagic,
                  | rC+}.
 25964 | D:14     | 25964 ||| SWAPPING to +6 heavy broad axe.
 25965 | D:14     | 25965 ||| SWAPPING to +9 broad axe "Kosum" {antimagic,
                  | rC+}.
 25966 | D:14     | 25966 ||| SWAPPING to +6 heavy broad axe.
 25967 | D:14     | 25967 ||| SWAPPING to +9 broad axe "Kosum" {antimagic,
                  | rC+}.
 25968 | D:14     | 25968 ||| SWAPPING to +6 heavy broad axe.
 25969 | D:14     | 25969 ||| SWAPPING to +9 broad axe "Kosum" {antimagic,
                  | rC+}.
 25970 | D:14     | 25970 ||| SWAPPING to +6 heavy broad axe.
 25971 | D:14     | 25971 ||| SWAPPING to +9 broad axe "Kosum" {antimagic,
                  | rC+}.
 25972 | D:14     | 25972 ||| SWAPPING to +6 heavy broad axe.
 25973 | D:14     | 25973 ||| SWAPPING to +9 broad axe "Kosum" {antimagic,
                  | rC+}.
 25974 | D:14     | 25974 ||| SWAPPING to +6 heavy broad axe.
 25975 | D:14     | 25975 ||| SWAPPING to +9 broad axe "Kosum" {antimagic,
                  | rC+}.
 25976 | D:14     | 25976 ||| SWAPPING to +6 heavy broad axe.
 25977 | D:14     | 25977 ||| SWAPPING to +9 broad axe "Kosum" {antimagic,
                  | rC+}.
 25978 | D:14     | 25978 ||| SWAPPING to +6 heavy broad axe.
 25979 | D:14     | 25979 ||| SWAPPING to +9 broad axe "Kosum" {antimagic,
                  | rC+}.
 25980 | D:14     | 25980 ||| SWAPPING to +6 heavy broad axe.
 25981 | D:14     | 25981 ||| SWAPPING to +9 broad axe "Kosum" {antimagic,
                  | rC+}.
 25982 | D:14     | 25982 ||| SWAPPING to +6 heavy broad axe.
 25983 | D:14     | 25983 ||| SWAPPING to +9 broad axe "Kosum" {antimagic,
                  | rC+}.
 25984 | D:14     | 25984 ||| SWAPPING to +6 heavy broad axe.
 25985 | D:14     | 25985 ||| SWAPPING to +9 broad axe "Kosum" {antimagic,
                  | rC+}.
 25986 | D:14     | 25986 ||| SWAPPING to +6 heavy broad axe.
 25987 | D:14     | 25987 ||| SWAPPING to +9 broad axe "Kosum" {antimagic,
                  | rC+}.
 25988 | D:14     | 25988 ||| SWAPPING to +6 heavy broad axe.
 25989 | D:14     | 25989 ||| SWAPPING to +9 broad axe "Kosum" {antimagic,
                  | rC+}.
 25990 | D:14     | 25990 ||| SWAPPING to +6 heavy broad axe.
 25991 | D:14     | 25991 ||| SWAPPING to +9 broad axe "Kosum" {antimagic,
                  | rC+}.
 25992 | D:14     | 25992 ||| SWAPPING to +6 heavy broad axe.
 25993 | D:14     | 25993 ||| SWAPPING to +9 broad axe "Kosum" {antimagic,
                  | rC+}.
 25994 | D:14     | 25994 ||| SWAPPING to +6 heavy broad axe.
 25995 | D:14     | 25995 ||| SWAPPING to +9 broad axe "Kosum" {antimagic,
                  | rC+}.
 25996 | D:14     | 25996 ||| SWAPPING to +6 heavy broad axe.
 25997 | D:14     | 25997 ||| SWAPPING to +9 broad axe "Kosum" {antimagic,
                  | rC+}.
 25998 | D:14     | 25998 ||| SWAPPING to +6 heavy broad axe.
 25999 | D:14     | 25999 ||| SWAPPING to +9 broad axe "Kosum" {antimagic,
                  | rC+}.
 26000 | D:14     | 26000 ||| SWAPPING to +6 heavy broad axe.
 26001 | D:14     | 26001 ||| SWAPPING to +9 broad axe "Kosum" {antimagic,
                  | rC+}.
 26002 | D:14     | 26002 ||| SWAPPING to +6 heavy broad axe.
 26003 | D:14     | 26003 ||| SWAPPING to +9 broad axe "Kosum" {antimagic,
                  | rC+}.
 26004 | D:14     | 26004 ||| SWAPPING to +6 heavy broad axe.
 26005 | D:14     | 26005 ||| SWAPPING to +9 broad axe "Kosum" {antimagic,
                  | rC+}.
 26006 | D:14     | 26006 ||| SWAPPING to +6 heavy broad axe.
 26007 | D:14     | 26007 ||| SWAPPING to +9 broad axe "Kosum" {antimagic,
                  | rC+}.
 26008 | D:14     | 26008 ||| SWAPPING to +6 heavy broad axe.
 26009 | D:14     | 26009 ||| SWAPPING to +9 broad axe "Kosum" {antimagic,
                  | rC+}.
 26010 | D:14     | 26010 ||| SWAPPING to +6 heavy broad axe.
 26011 | D:14     | 26011 ||| SWAPPING to +9 broad axe "Kosum" {antimagic,
                  | rC+}.
 26012 | D:14     | 26012 ||| SWAPPING to +6 heavy broad axe.
 26013 | D:14     | 26013 ||| SWAPPING to +9 broad axe "Kosum" {antimagic,
                  | rC+}.
 26014 | D:14     | 26014 ||| SWAPPING to +6 heavy broad axe.
 26015 | D:14     | 26015 ||| SWAPPING to +9 broad axe "Kosum" {antimagic,
                  | rC+}.
 26016 | D:14     | 26016 ||| SWAPPING to +6 heavy broad axe.
 26017 | D:14     | 26017 ||| SWAPPING to +9 broad axe "Kosum" {antimagic,
                  | rC+}.
 26018 | D:14     | 26018 ||| SWAPPING to +6 heavy broad axe.
 26019 | D:14     | 26019 ||| SWAPPING to +9 broad axe "Kosum" {antimagic,
                  | rC+}.
 26020 | D:14     | 26020 ||| SWAPPING to +6 heavy broad axe.
 26021 | D:14     | 26021 ||| SWAPPING to +9 broad axe "Kosum" {antimagic,
                  | rC+}.
 26022 | D:14     | 26022 ||| SWAPPING to +6 heavy broad axe.
 26023 | D:14     | 26023 ||| SWAPPING to +9 broad axe "Kosum" {antimagic,
                  | rC+}.
 26024 | D:14     | 26024 ||| SWAPPING to +6 heavy broad axe.
 26025 | D:14     | 26025 ||| SWAPPING to +9 broad axe "Kosum" {antimagic,
                  | rC+}.
 26026 | D:14     | 26026 ||| SWAPPING to +6 heavy broad axe.
 26027 | D:14     | 26027 ||| SWAPPING to +9 broad axe "Kosum" {antimagic,
                  | rC+}.
 26028 | D:14     | 26028 ||| SWAPPING to +6 heavy broad axe.
 26029 | D:14     | 26029 ||| SWAPPING to +9 broad axe "Kosum" {antimagic,
                  | rC+}.
 26030 | D:14     | 26030 ||| SWAPPING to +6 heavy broad axe.
 26031 | D:14     | 26031 ||| SWAPPING to +9 broad axe "Kosum" {antimagic,
                  | rC+}.
 26032 | D:14     | 26032 ||| SWAPPING to +6 heavy broad axe.
 26033 | D:14     | 26033 ||| SWAPPING to +9 broad axe "Kosum" {antimagic,
                  | rC+}.
 26034 | D:14     | 26034 ||| SWAPPING to +6 heavy broad axe.
 26035 | D:14     | 26035 ||| SWAPPING to +9 broad axe "Kosum" {antimagic,
                  | rC+}.
 26036 | D:14     | 26036 ||| SWAPPING to +6 heavy broad axe.
 26037 | D:14     | 26037 ||| SWAPPING to +9 broad axe "Kosum" {antimagic,
                  | rC+}.
 26038 | D:14     | 26038 ||| SWAPPING to +6 heavy broad axe.
 26039 | D:14     | 26039 ||| SWAPPING to +9 broad axe "Kosum" {antimagic,
                  | rC+}.
 26040 | D:14     | 26040 ||| SWAPPING to +6 heavy broad axe.
 26041 | D:14     | 26041 ||| SWAPPING to +9 broad axe "Kosum" {antimagic,
                  | rC+}.
 26042 | D:14     | 26042 ||| SWAPPING to +6 heavy broad axe.
 26043 | D:14     | 26043 ||| SWAPPING to +9 broad axe "Kosum" {antimagic,
                  | rC+}.
 26044 | D:14     | 26044 ||| SWAPPING to +6 heavy broad axe.
 26045 | D:14     | 26045 ||| SWAPPING to +9 broad axe "Kosum" {antimagic,
                  | rC+}.
 26046 | D:14     | 26046 ||| SWAPPING to +6 heavy broad axe.
 26047 | D:14     | 26047 ||| SWAPPING to +9 broad axe "Kosum" {antimagic,
                  | rC+}.
 26048 | D:14     | 26048 ||| SWAPPING to +6 heavy broad axe.
 26049 | D:14     | 26049 ||| SWAPPING to +9 broad axe "Kosum" {antimagic,
                  | rC+}.
 26050 | D:14     | 26050 ||| SWAPPING to +6 heavy broad axe.
 26051 | D:14     | 26051 ||| SWAPPING to +9 broad axe "Kosum" {antimagic,
                  | rC+}.
 26052 | D:14     | 26052 ||| SWAPPING to +6 heavy broad axe.
 26053 | D:14     | 26053 ||| SWAPPING to +9 broad axe "Kosum" {antimagic,
                  | rC+}.
 26054 | D:14     | 26054 ||| SWAPPING to +6 heavy broad axe.
 26055 | D:14     | 26055 ||| SWAPPING to +9 broad axe "Kosum" {antimagic,
                  | rC+}.
 26056 | D:14     | 26056 ||| SWAPPING to +6 heavy broad axe.
 26057 | D:14     | 26057 ||| SWAPPING to +9 broad axe "Kosum" {antimagic,
                  | rC+}.
 26058 | D:14     | 26058 ||| SWAPPING to +6 heavy broad axe.
 26059 | D:14     | 26059 ||| SWAPPING to +9 broad axe "Kosum" {antimagic,
                  | rC+}.
 26060 | D:14     | 26060 ||| SWAPPING to +6 heavy broad axe.
 26061 | D:14     | 26061 ||| SWAPPING to +9 broad axe "Kosum" {antimagic,
                  | rC+}.
 26062 | D:14     | 26062 ||| SWAPPING to +6 heavy broad axe.
 26063 | D:14     | 26063 ||| SWAPPING to +9 broad axe "Kosum" {antimagic,
                  | rC+}.
 26064 | D:14     | 26064 ||| SWAPPING to +6 heavy broad axe.
 26065 | D:14     | 26065 ||| SWAPPING to +9 broad axe "Kosum" {antimagic,
                  | rC+}.
 26066 | D:14     | 26066 ||| SWAPPING to +6 heavy broad axe.
 26067 | D:14     | 26067 ||| SWAPPING to +9 broad axe "Kosum" {antimagic,
                  | rC+}.
 26068 | D:14     | 26068 ||| SWAPPING to +6 heavy broad axe.
 26069 | D:14     | 26069 ||| SWAPPING to +9 broad axe "Kosum" {antimagic,
                  | rC+}.
 26070 | D:14     | 26070 ||| SWAPPING to +6 heavy broad axe.
 26071 | D:14     | 26071 ||| SWAPPING to +9 broad axe "Kosum" {antimagic,
                  | rC+}.
 26072 | D:14     | 26072 ||| SWAPPING to +6 heavy broad axe.
 26073 | D:14     | 26073 ||| SWAPPING to +9 broad axe "Kosum" {antimagic,
                  | rC+}.
 26074 | D:14     | 26074 ||| SWAPPING to +6 heavy broad axe.
 26075 | D:14     | 26075 ||| SWAPPING to +9 broad axe "Kosum" {antimagic,
                  | rC+}.
 26076 | D:14     | 26076 ||| SWAPPING to +6 heavy broad axe.
 26077 | D:14     | 26077 ||| SWAPPING to +9 broad axe "Kosum" {antimagic,
                  | rC+}.
 26078 | D:14     | 26078 ||| SWAPPING to +6 heavy broad axe.
 26079 | D:14     | 26079 ||| SWAPPING to +9 broad axe "Kosum" {antimagic,
                  | rC+}.
 26080 | D:14     | 26080 ||| SWAPPING to +6 heavy broad axe.
 26081 | D:14     | 26081 ||| SWAPPING to +9 broad axe "Kosum" {antimagic,
                  | rC+}.
 26082 | D:14     | 26082 ||| SWAPPING to +6 heavy broad axe.
 26083 | D:14     | 26083 ||| SWAPPING to +9 broad axe "Kosum" {antimagic,
                  | rC+}.
 26084 | D:14     | 26084 ||| SWAPPING to +6 heavy broad axe.
 26085 | D:14     | 26085 ||| SWAPPING to +9 broad axe "Kosum" {antimagic,
                  | rC+}.
 26086 | D:14     | 26086 ||| SWAPPING to +6 heavy broad axe.
 26087 | D:14     | 26087 ||| SWAPPING to +9 broad axe "Kosum" {antimagic,
                  | rC+}.
 26088 | D:14     | 26088 ||| SWAPPING to +6 heavy broad axe.
 26089 | D:14     | 26089 ||| SWAPPING to +9 broad axe "Kosum" {antimagic,
                  | rC+}.
 26090 | D:14     | 26090 ||| SWAPPING to +6 heavy broad axe.
 26091 | D:14     | 26091 ||| SWAPPING to +9 broad axe "Kosum" {antimagic,
                  | rC+}.
 26092 | D:14     | 26092 ||| SWAPPING to +6 heavy broad axe.
 26093 | D:14     | 26093 ||| SWAPPING to +9 broad axe "Kosum" {antimagic,
                  | rC+}.
 26094 | D:14     | 26094 ||| SWAPPING to +6 heavy broad axe.
 26095 | D:14     | 26095 ||| SWAPPING to +9 broad axe "Kosum" {antimagic,
                  | rC+}.
 26096 | D:14     | 26096 ||| SWAPPING to +6 heavy broad axe.
 26097 | D:14     | 26097 ||| SWAPPING to +9 broad axe "Kosum" {antimagic,
                  | rC+}.
 26098 | D:14     | 26098 ||| SWAPPING to +6 heavy broad axe.
 26099 | D:14     | 26099 ||| SWAPPING to +9 broad axe "Kosum" {antimagic,
                  | rC+}.
 26100 | D:14     | 26100 ||| SWAPPING to +6 heavy broad axe.
 26101 | D:14     | 26101 ||| SWAPPING to +9 broad axe "Kosum" {antimagic,
                  | rC+}.
 26102 | D:14     | 26102 ||| SWAPPING to +6 heavy broad axe.
 26103 | D:14     | 26103 ||| SWAPPING to +9 broad axe "Kosum" {antimagic,
                  | rC+}.
 26104 | D:14     | 26104 ||| SWAPPING to +6 heavy broad axe.
 26105 | D:14     | 26105 ||| SWAPPING to +9 broad axe "Kosum" {antimagic,
                  | rC+}.
 26106 | D:14     | 26106 ||| SWAPPING to +6 heavy broad axe.
 26107 | D:14     | 26107 ||| SWAPPING to +9 broad axe "Kosum" {antimagic,
                  | rC+}.
 26108 | D:14     | 26108 ||| SWAPPING to +6 heavy broad axe.
 26109 | D:14     | 26109 ||| SWAPPING to +9 broad axe "Kosum" {antimagic,
                  | rC+}.
 26110 | D:14     | 26110 ||| SWAPPING to +6 heavy broad axe.
 26111 | D:14     | 26111 ||| SWAPPING to +9 broad axe "Kosum" {antimagic,
                  | rC+}.
 26112 | D:14     | 26112 ||| SWAPPING to +6 heavy broad axe.
 26113 | D:14     | 26113 ||| SWAPPING to +9 broad axe "Kosum" {antimagic,
                  | rC+}.
 26114 | D:14     | 26114 ||| SWAPPING to +6 heavy broad axe.
 26115 | D:14     | 26115 ||| SWAPPING to +9 broad axe "Kosum" {antimagic,
                  | rC+}.
 26116 | D:14     | 26116 ||| SWAPPING to +6 heavy broad axe.
 26117 | D:14     | 26117 ||| SWAPPING to +9 broad axe "Kosum" {antimagic,
                  | rC+}.
 26118 | D:14     | 26118 ||| SWAPPING to +6 heavy broad axe.
 26119 | D:14     | 26119 ||| SWAPPING to +9 broad axe "Kosum" {antimagic,
                  | rC+}.
 26120 | D:14     | 26120 ||| SWAPPING to +6 heavy broad axe.
 26121 | D:14     | 26121 ||| SWAPPING to +9 broad axe "Kosum" {antimagic,
                  | rC+}.
 26122 | D:14     | 26122 ||| SWAPPING to +6 heavy broad axe.
 26123 | D:14     | 26123 ||| SWAPPING to +9 broad axe "Kosum" {antimagic,
                  | rC+}.
 26124 | D:14     | 26124 ||| SWAPPING to +6 heavy broad axe.
 26125 | D:14     | 26125 ||| SWAPPING to +9 broad axe "Kosum" {antimagic,
                  | rC+}.
 26126 | D:14     | 26126 ||| SWAPPING to +6 heavy broad axe.
 26127 | D:14     | 26127 ||| SWAPPING to +9 broad axe "Kosum" {antimagic,
                  | rC+}.
 26128 | D:14     | 26128 ||| SWAPPING to +6 heavy broad axe.
 26129 | D:14     | 26129 ||| SWAPPING to +9 broad axe "Kosum" {antimagic,
                  | rC+}.
 26130 | D:14     | 26130 ||| SWAPPING to +6 heavy broad axe.
 26131 | D:14     | 26131 ||| SWAPPING to +9 broad axe "Kosum" {antimagic,
                  | rC+}.
 26132 | D:14     | 26132 ||| SWAPPING to +6 heavy broad axe.
 26133 | D:14     | 26133 ||| SWAPPING to +9 broad axe "Kosum" {antimagic,
                  | rC+}.
 26134 | D:14     | 26134 ||| SWAPPING to +6 heavy broad axe.
 26135 | D:14     | 26135 ||| SWAPPING to +9 broad axe "Kosum" {antimagic,
                  | rC+}.
 26136 | D:14     | 26136 ||| SWAPPING to +6 heavy broad axe.
 26137 | D:14     | 26137 ||| SWAPPING to +9 broad axe "Kosum" {antimagic,
                  | rC+}.
 26138 | D:14     | 26138 ||| SWAPPING to +6 heavy broad axe.
 26139 | D:14     | 26139 ||| SWAPPING to +9 broad axe "Kosum" {antimagic,
                  | rC+}.
 26140 | D:14     | 26140 ||| SWAPPING to +6 heavy broad axe.
 26141 | D:14     | 26141 ||| SWAPPING to +9 broad axe "Kosum" {antimagic,
                  | rC+}.
 26142 | D:14     | 26142 ||| SWAPPING to +6 heavy broad axe.
 26143 | D:14     | 26143 ||| SWAPPING to +9 broad axe "Kosum" {antimagic,
                  | rC+}.
 26144 | D:14     | 26144 ||| SWAPPING to +6 heavy broad axe.
 26145 | D:14     | 26145 ||| SWAPPING to +9 broad axe "Kosum" {antimagic,
                  | rC+}.
 26146 | D:14     | 26146 ||| SWAPPING to +6 heavy broad axe.
 26147 | D:14     | 26147 ||| SWAPPING to +9 broad axe "Kosum" {antimagic,
                  | rC+}.
 26148 | D:14     | 26148 ||| SWAPPING to +6 heavy broad axe.
 26149 | D:14     | 26149 ||| SWAPPING to +9 broad axe "Kosum" {antimagic,
                  | rC+}.
 26150 | D:14     | 26150 ||| SWAPPING to +6 heavy broad axe.
 26151 | D:14     | 26151 ||| SWAPPING to +9 broad axe "Kosum" {antimagic,
                  | rC+}.
 26152 | D:14     | 26152 ||| SWAPPING to +6 heavy broad axe.
 26153 | D:14     | 26153 ||| SWAPPING to +9 broad axe "Kosum" {antimagic,
                  | rC+}.
 26154 | D:14     | 26154 ||| SWAPPING to +6 heavy broad axe.
 26155 | D:14     | 26155 ||| SWAPPING to +9 broad axe "Kosum" {antimagic,
                  | rC+}.
 26156 | D:14     | 26156 ||| SWAPPING to +6 heavy broad axe.
 26157 | D:14     | 26157 ||| SWAPPING to +9 broad axe "Kosum" {antimagic,
                  | rC+}.
 26158 | D:14     | 26158 ||| SWAPPING to +6 heavy broad axe.
 26159 | D:14     | 26159 ||| SWAPPING to +9 broad axe "Kosum" {antimagic,
                  | rC+}.
 26160 | D:14     | 26160 ||| SWAPPING to +6 heavy broad axe.
 26161 | D:14     | 26161 ||| SWAPPING to +9 broad axe "Kosum" {antimagic,
                  | rC+}.
 26162 | D:14     | 26162 ||| SWAPPING to +6 heavy broad axe.
 26163 | D:14     | 26163 ||| SWAPPING to +9 broad axe "Kosum" {antimagic,
                  | rC+}.
 26164 | D:14     | 26164 ||| SWAPPING to +6 heavy broad axe.
 26165 | D:14     | 26165 ||| SWAPPING to +9 broad axe "Kosum" {antimagic,
                  | rC+}.
 26166 | D:14     | 26166 ||| SWAPPING to +6 heavy broad axe.
 26167 | D:14     | 26167 ||| SWAPPING to +9 broad axe "Kosum" {antimagic,
                  | rC+}.
 26168 | D:14     | 26168 ||| SWAPPING to +6 heavy broad axe.
 26169 | D:14     | 26169 ||| SWAPPING to +9 broad axe "Kosum" {antimagic,
                  | rC+}.
 26170 | D:14     | 26170 ||| SWAPPING to +6 heavy broad axe.
 26171 | D:14     | 26171 ||| SWAPPING to +9 broad axe "Kosum" {antimagic,
                  | rC+}.
 26172 | D:14     | 26172 ||| SWAPPING to +6 heavy broad axe.
 26173 | D:14     | 26173 ||| SWAPPING to +9 broad axe "Kosum" {antimagic,
                  | rC+}.
 26174 | D:14     | 26174 ||| SWAPPING to +6 heavy broad axe.
 26175 | D:14     | 26175 ||| SWAPPING to +9 broad axe "Kosum" {antimagic,
                  | rC+}.
 26176 | D:14     | 26176 ||| SWAPPING to +6 heavy broad axe.
 26177 | D:14     | 26177 ||| SWAPPING to +9 broad axe "Kosum" {antimagic,
                  | rC+}.
 26178 | D:14     | 26178 ||| SWAPPING to +6 heavy broad axe.
 26179 | D:14     | 26179 ||| SWAPPING to +9 broad axe "Kosum" {antimagic,
                  | rC+}.
 26180 | D:14     | 26180 ||| SWAPPING to +6 heavy broad axe.
 26181 | D:14     | 26181 ||| SWAPPING to +9 broad axe "Kosum" {antimagic,
                  | rC+}.
 26182 | D:14     | 26182 ||| SWAPPING to +6 heavy broad axe.
 26183 | D:14     | 26183 ||| SWAPPING to +9 broad axe "Kosum" {antimagic,
                  | rC+}.
 26184 | D:14     | 26184 ||| SWAPPING to +6 heavy broad axe.
 26185 | D:14     | 26185 ||| SWAPPING to +9 broad axe "Kosum" {antimagic,
                  | rC+}.
 26186 | D:14     | 26186 ||| SWAPPING to +6 heavy broad axe.
 26187 | D:14     | 26187 ||| SWAPPING to +9 broad axe "Kosum" {antimagic,
                  | rC+}.
 26188 | D:14     | 26188 ||| SWAPPING to +6 heavy broad axe.
 26189 | D:14     | 26189 ||| SWAPPING to +9 broad axe "Kosum" {antimagic,
                  | rC+}.
 26190 | D:14     | 26190 ||| SWAPPING to +6 heavy broad axe.
 26191 | D:14     | 26191 ||| SWAPPING to +9 broad axe "Kosum" {antimagic,
                  | rC+}.
 26192 | D:14     | 26192 ||| SWAPPING to +6 heavy broad axe.
 26193 | D:14     | 26193 ||| SWAPPING to +9 broad axe "Kosum" {antimagic,
                  | rC+}.
 26194 | D:14     | 26194 ||| SWAPPING to +6 heavy broad axe.
 26195 | D:14     | 26195 ||| SWAPPING to +9 broad axe "Kosum" {antimagic,
                  | rC+}.
 26196 | D:14     | 26196 ||| SWAPPING to +6 heavy broad axe.
 26197 | D:14     | 26197 ||| SWAPPING to +9 broad axe "Kosum" {antimagic,
                  | rC+}.
 26198 | D:14     | 26198 ||| SWAPPING to +6 heavy broad axe.
 26199 | D:14     | 26199 ||| SWAPPING to +9 broad axe "Kosum" {antimagic,
                  | rC+}.
 26200 | D:14     | 26200 ||| SWAPPING to +6 heavy broad axe.
 26201 | D:14     | 26201 ||| SWAPPING to +9 broad axe "Kosum" {antimagic,
                  | rC+}.
 26202 | D:14     | 26202 ||| SWAPPING to +6 heavy broad axe.
 26203 | D:14     | 26203 ||| SWAPPING to +9 broad axe "Kosum" {antimagic,
                  | rC+}.
 26204 | D:14     | 26204 ||| SWAPPING to +6 heavy broad axe.
 26205 | D:14     | 26205 ||| SWAPPING to +9 broad axe "Kosum" {antimagic,
                  | rC+}.
 26206 | D:14     | 26206 ||| SWAPPING to +6 heavy broad axe.
 26207 | D:14     | 26207 ||| SWAPPING to +9 broad axe "Kosum" {antimagic,
                  | rC+}.
 26208 | D:14     | 26208 ||| SWAPPING to +6 heavy broad axe.
 26209 | D:14     | 26209 ||| SWAPPING to +9 broad axe "Kosum" {antimagic,
                  | rC+}.
 26210 | D:14     | 26210 ||| SWAPPING to +6 heavy broad axe.
 26211 | D:14     | 26211 ||| SWAPPING to +9 broad axe "Kosum" {antimagic,
                  | rC+}.
 26212 | D:14     | 26212 ||| SWAPPING to +6 heavy broad axe.
 26213 | D:14     | 26213 ||| SWAPPING to +9 broad axe "Kosum" {antimagic,
                  | rC+}.
 26214 | D:14     | 26214 ||| SWAPPING to +6 heavy broad axe.
 26215 | D:14     | 26215 ||| SWAPPING to +9 broad axe "Kosum" {antimagic,
                  | rC+}.
 26216 | D:14     | 26216 ||| SWAPPING to +6 heavy broad axe.
 26217 | D:14     | 26217 ||| SWAPPING to +9 broad axe "Kosum" {antimagic,
                  | rC+}.
 26218 | D:14     | 26218 ||| SWAPPING to +6 heavy broad axe.
 26219 | D:14     | 26219 ||| SWAPPING to +9 broad axe "Kosum" {antimagic,
                  | rC+}.
 26220 | D:14     | 26220 ||| SWAPPING to +6 heavy broad axe.
 26221 | D:14     | 26221 ||| SWAPPING to +9 broad axe "Kosum" {antimagic,
                  | rC+}.
 26222 | D:14     | 26222 ||| SWAPPING to +6 heavy broad axe.
 26223 | D:14     | 26223 ||| SWAPPING to +9 broad axe "Kosum" {antimagic,
                  | rC+}.
 26224 | D:14     | 26224 ||| SWAPPING to +6 heavy broad axe.
 26225 | D:14     | 26225 ||| SWAPPING to +9 broad axe "Kosum" {antimagic,
                  | rC+}.
 26226 | D:14     | 26226 ||| SWAPPING to +6 heavy broad axe.
 26227 | D:14     | 26227 ||| SWAPPING to +9 broad axe "Kosum" {antimagic,
                  | rC+}.
 26228 | D:14     | 26228 ||| SWAPPING to +6 heavy broad axe.
 26229 | D:14     | 26229 ||| SWAPPING to +9 broad axe "Kosum" {antimagic,
                  | rC+}.
 26230 | D:14     | 26230 ||| SWAPPING to +6 heavy broad axe.
 26231 | D:14     | 26231 ||| SWAPPING to +9 broad axe "Kosum" {antimagic,
                  | rC+}.
 26232 | D:14     | 26232 ||| SWAPPING to +6 heavy broad axe.
 26233 | D:14     | 26233 ||| SWAPPING to +9 broad axe "Kosum" {antimagic,
                  | rC+}.
 26234 | D:14     | 26234 ||| SWAPPING to +6 heavy broad axe.
 26235 | D:14     | 26235 ||| SWAPPING to +9 broad axe "Kosum" {antimagic,
                  | rC+}.
 26236 | D:14     | 26236 ||| SWAPPING to +6 heavy broad axe.
 26237 | D:14     | 26237 ||| SWAPPING to +9 broad axe "Kosum" {antimagic,
                  | rC+}.
 26238 | D:14     | 26238 ||| SWAPPING to +6 heavy broad axe.
 26239 | D:14     | 26239 ||| SWAPPING to +9 broad axe "Kosum" {antimagic,
                  | rC+}.
 26240 | D:14     | 26240 ||| SWAPPING to +6 heavy broad axe.
 26241 | D:14     | 26241 ||| SWAPPING to +9 broad axe "Kosum" {antimagic,
                  | rC+}.
 26242 | D:14     | 26242 ||| SWAPPING to +6 heavy broad axe.
 26243 | D:14     | 26243 ||| SWAPPING to +9 broad axe "Kosum" {antimagic,
                  | rC+}.
 26244 | D:14     | 26244 ||| SWAPPING to +6 heavy broad axe.
 26245 | D:14     | 26245 ||| SWAPPING to +9 broad axe "Kosum" {antimagic,
                  | rC+}.
 26246 | D:14     | 26246 ||| SWAPPING to +6 heavy broad axe.
 26247 | D:14     | 26247 ||| SWAPPING to +9 broad axe "Kosum" {antimagic,
                  | rC+}.
 26248 | D:14     | 26248 ||| SWAPPING to +6 heavy broad axe.
 26249 | D:14     | 26249 ||| SWAPPING to +9 broad axe "Kosum" {antimagic,
                  | rC+}.
 26250 | D:14     | 26250 ||| SWAPPING to +6 heavy broad axe.
 26251 | D:14     | 26251 ||| SWAPPING to +9 broad axe "Kosum" {antimagic,
                  | rC+}.
 26252 | D:14     | 26252 ||| SWAPPING to +6 heavy broad axe.
 26253 | D:14     | 26253 ||| SWAPPING to +9 broad axe "Kosum" {antimagic,
                  | rC+}.
 26254 | D:14     | 26254 ||| SWAPPING to +6 heavy broad axe.
 26255 | D:14     | 26255 ||| SWAPPING to +9 broad axe "Kosum" {antimagic,
                  | rC+}.
 26256 | D:14     | 26256 ||| SWAPPING to +6 heavy broad axe.
 26257 | D:14     | 26257 ||| SWAPPING to +9 broad axe "Kosum" {antimagic,
                  | rC+}.
 26258 | D:14     | 26258 ||| SWAPPING to +6 heavy broad axe.
 26259 | D:14     | 26259 ||| SWAPPING to +9 broad axe "Kosum" {antimagic,
                  | rC+}.
 26260 | D:14     | 26260 ||| SWAPPING to +6 heavy broad axe.
 26261 | D:14     | 26261 ||| SWAPPING to +9 broad axe "Kosum" {antimagic,
                  | rC+}.
 26262 | D:14     | 26262 ||| SWAPPING to +6 heavy broad axe.
 26263 | D:14     | 26263 ||| SWAPPING to +9 broad axe "Kosum" {antimagic,
                  | rC+}.
 26264 | D:14     | 26264 ||| SWAPPING to +6 heavy broad axe.
 26265 | D:14     | 26265 ||| SWAPPING to +9 broad axe "Kosum" {antimagic,
                  | rC+}.
 26266 | D:14     | 26266 ||| SWAPPING to +6 heavy broad axe.
 26267 | D:14     | 26267 ||| SWAPPING to +9 broad axe "Kosum" {antimagic,
                  | rC+}.
 26268 | D:14     | 26268 ||| SWAPPING to +6 heavy broad axe.
 26269 | D:14     | 26269 ||| SWAPPING to +9 broad axe "Kosum" {antimagic,
                  | rC+}.
 26270 | D:14     | 26270 ||| SWAPPING to +6 heavy broad axe.
 26271 | D:14     | 26271 ||| SWAPPING to +9 broad axe "Kosum" {antimagic,
                  | rC+}.
 26272 | D:14     | 26272 ||| SWAPPING to +6 heavy broad axe.
 26273 | D:14     | 26273 ||| SWAPPING to +9 broad axe "Kosum" {antimagic,
                  | rC+}.
 26274 | D:14     | 26274 ||| SWAPPING to +6 heavy broad axe.
 26275 | D:14     | 26275 ||| SWAPPING to +9 broad axe "Kosum" {antimagic,
                  | rC+}.
 26276 | D:14     | 26276 ||| SWAPPING to +6 heavy broad axe.
 26277 | D:14     | 26277 ||| SWAPPING to +9 broad axe "Kosum" {antimagic,
                  | rC+}.
 26278 | D:14     | 26278 ||| SWAPPING to +6 heavy broad axe.
 26279 | D:14     | 26279 ||| SWAPPING to +9 broad axe "Kosum" {antimagic,
                  | rC+}.
 26280 | D:14     | 26280 ||| SWAPPING to +6 heavy broad axe.
 26281 | D:14     | 26281 ||| SWAPPING to +9 broad axe "Kosum" {antimagic,
                  | rC+}.
 26282 | D:14     | 26282 ||| SWAPPING to +6 heavy broad axe.
 26283 | D:14     | 26283 ||| SWAPPING to +9 broad axe "Kosum" {antimagic,
                  | rC+}.
 26284 | D:14     | 26284 ||| SWAPPING to +6 heavy broad axe.
 26285 | D:14     | 26285 ||| SWAPPING to +9 broad axe "Kosum" {antimagic,
                  | rC+}.
 26286 | D:14     | 26286 ||| SWAPPING to +6 heavy broad axe.
 26287 | D:14     | 26287 ||| SWAPPING to +9 broad axe "Kosum" {antimagic,
                  | rC+}.
 26288 | D:14     | 26288 ||| SWAPPING to +6 heavy broad axe.
 26289 | D:14     | 26289 ||| SWAPPING to +9 broad axe "Kosum" {antimagic,
                  | rC+}.
 26290 | D:14     | 26290 ||| SWAPPING to +6 heavy broad axe.
 26291 | D:14     | 26291 ||| SWAPPING to +9 broad axe "Kosum" {antimagic,
                  | rC+}.
 26292 | D:14     | 26292 ||| SWAPPING to +6 heavy broad axe.
 26293 | D:14     | 26293 ||| SWAPPING to +9 broad axe "Kosum" {antimagic,
                  | rC+}.
 26294 | D:14     | 26294 ||| SWAPPING to +6 heavy broad axe.
 26295 | D:14     | 26295 ||| SWAPPING to +9 broad axe "Kosum" {antimagic,
                  | rC+}.
 26296 | D:14     | 26296 ||| SWAPPING to +6 heavy broad axe.
 26297 | D:14     | 26297 ||| SWAPPING to +9 broad axe "Kosum" {antimagic,
                  | rC+}.
 26298 | D:14     | 26298 ||| SWAPPING to +6 heavy broad axe.
 26299 | D:14     | 26299 ||| SWAPPING to +9 broad axe "Kosum" {antimagic,
                  | rC+}.
 26300 | D:14     | 26300 ||| SWAPPING to +6 heavy broad axe.
 26301 | D:14     | 26301 ||| SWAPPING to +9 broad axe "Kosum" {antimagic,
                  | rC+}.
 26302 | D:14     | 26302 ||| SWAPPING to +6 heavy broad axe.
 26303 | D:14     | 26303 ||| SWAPPING to +9 broad axe "Kosum" {antimagic,
                  | rC+}.
 26304 | D:14     | 26304 ||| SWAPPING to +6 heavy broad axe.
 26305 | D:14     | 26305 ||| SWAPPING to +9 broad axe "Kosum" {antimagic,
                  | rC+}.
 26306 | D:14     | 26306 ||| SWAPPING to +6 heavy broad axe.
 26307 | D:14     | 26307 ||| SWAPPING to +9 broad axe "Kosum" {antimagic,
                  | rC+}.
 26308 | D:14     | 26308 ||| SWAPPING to +6 heavy broad axe.
 26309 | D:14     | 26309 ||| SWAPPING to +9 broad axe "Kosum" {antimagic,
                  | rC+}.
 26310 | D:14     | 26310 ||| SWAPPING to +6 heavy broad axe.
 26311 | D:14     | 26311 ||| SWAPPING to +9 broad axe "Kosum" {antimagic,
                  | rC+}.
 26312 | D:14     | 26312 ||| SWAPPING to +6 heavy broad axe.
 26313 | D:14     | 26313 ||| SWAPPING to +9 broad axe "Kosum" {antimagic,
                  | rC+}.
 26314 | D:14     | 26314 ||| SWAPPING to +6 heavy broad axe.
 26315 | D:14     | 26315 ||| SWAPPING to +9 broad axe "Kosum" {antimagic,
                  | rC+}.
 26316 | D:14     | 26316 ||| SWAPPING to +6 heavy broad axe.
 26317 | D:14     | 26317 ||| SWAPPING to +9 broad axe "Kosum" {antimagic,
                  | rC+}.
 26318 | D:14     | 26318 ||| SWAPPING to +6 heavy broad axe.
 26319 | D:14     | 26319 ||| SWAPPING to +9 broad axe "Kosum" {antimagic,
                  | rC+}.
 26320 | D:14     | 26320 ||| SWAPPING to +6 heavy broad axe.
 26321 | D:14     | 26321 ||| SWAPPING to +9 broad axe "Kosum" {antimagic,
                  | rC+}.
 26322 | D:14     | 26322 ||| SWAPPING to +6 heavy broad axe.
 26323 | D:14     | 26323 ||| SWAPPING to +9 broad axe "Kosum" {antimagic,
                  | rC+}.
 26324 | D:14     | 26324 ||| SWAPPING to +6 heavy broad axe.
 26325 | D:14     | 26325 ||| SWAPPING to +9 broad axe "Kosum" {antimagic,
                  | rC+}.
 26326 | D:14     | 26326 ||| SWAPPING to +6 heavy broad axe.
 26327 | D:14     | 26327 ||| SWAPPING to +9 broad axe "Kosum" {antimagic,
                  | rC+}.
 26328 | D:14     | 26328 ||| SWAPPING to +6 heavy broad axe.
 26329 | D:14     | 26329 ||| SWAPPING to +9 broad axe "Kosum" {antimagic,
                  | rC+}.
 26330 | D:14     | 26330 ||| SWAPPING to +6 heavy broad axe.
 26331 | D:14     | 26331 ||| SWAPPING to +9 broad axe "Kosum" {antimagic,
                  | rC+}.
 26332 | D:14     | 26332 ||| SWAPPING to +6 heavy broad axe.
 26333 | D:14     | 26333 ||| SWAPPING to +9 broad axe "Kosum" {antimagic,
                  | rC+}.
 26334 | D:14     | 26334 ||| SWAPPING to +6 heavy broad axe.
 26335 | D:14     | 26335 ||| SWAPPING to +9 broad axe "Kosum" {antimagic,
                  | rC+}.
 26336 | D:14     | 26336 ||| SWAPPING to +6 heavy broad axe.
 26337 | D:14     | 26337 ||| SWAPPING to +9 broad axe "Kosum" {antimagic,
                  | rC+}.
 26338 | D:14     | 26338 ||| SWAPPING to +6 heavy broad axe.
 26339 | D:14     | 26339 ||| SWAPPING to +9 broad axe "Kosum" {antimagic,
                  | rC+}.
 26340 | D:14     | 26340 ||| SWAPPING to +6 heavy broad axe.
 26341 | D:14     | 26341 ||| SWAPPING to +9 broad axe "Kosum" {antimagic,
                  | rC+}.
 26342 | D:14     | 26342 ||| SWAPPING to +6 heavy broad axe.
 26343 | D:14     | 26343 ||| SWAPPING to +9 broad axe "Kosum" {antimagic,
                  | rC+}.
 26344 | D:14     | 26344 ||| SWAPPING to +6 heavy broad axe.
 26345 | D:14     | 26345 ||| SWAPPING to +9 broad axe "Kosum" {antimagic,
                  | rC+}.
 26346 | D:14     | 26346 ||| SWAPPING to +6 heavy broad axe.
 26347 | D:14     | 26347 ||| SWAPPING to +9 broad axe "Kosum" {antimagic,
                  | rC+}.
 26348 | D:14     | 26348 ||| SWAPPING to +6 heavy broad axe.
 26349 | D:14     | 26349 ||| SWAPPING to +9 broad axe "Kosum" {antimagic,
                  | rC+}.
 26350 | D:14     | 26350 ||| SWAPPING to +6 heavy broad axe.
 26351 | D:14     | 26351 ||| SWAPPING to +9 broad axe "Kosum" {antimagic,
                  | rC+}.
 26352 | D:14     | 26352 ||| SWAPPING to +6 heavy broad axe.
 26353 | D:14     | 26353 ||| SWAPPING to +9 broad axe "Kosum" {antimagic,
                  | rC+}.
 26354 | D:14     | 26354 ||| SWAPPING to +6 heavy broad axe.
 26355 | D:14     | 26355 ||| SWAPPING to +9 broad axe "Kosum" {antimagic,
                  | rC+}.
 26356 | D:14     | 26356 ||| SWAPPING to +6 heavy broad axe.
 26357 | D:14     | 26357 ||| SWAPPING to +9 broad axe "Kosum" {antimagic,
                  | rC+}.
 26358 | D:14     | 26358 ||| SWAPPING to +6 heavy broad axe.
 26359 | D:14     | 26359 ||| SWAPPING to +9 broad axe "Kosum" {antimagic,
                  | rC+}.
 26360 | D:14     | 26360 ||| SWAPPING to +6 heavy broad axe.
 26361 | D:14     | 26361 ||| SWAPPING to +9 broad axe "Kosum" {antimagic,
                  | rC+}.
 26362 | D:14     | 26362 ||| SWAPPING to +6 heavy broad axe.
 26363 | D:14     | 26363 ||| SWAPPING to +9 broad axe "Kosum" {antimagic,
                  | rC+}.
 26364 | D:14     | 26364 ||| SWAPPING to +6 heavy broad axe.
 26365 | D:14     | 26365 ||| SWAPPING to +9 broad axe "Kosum" {antimagic,
                  | rC+}.
 26366 | D:14     | 26366 ||| SWAPPING to +6 heavy broad axe.
 26367 | D:14     | 26367 ||| SWAPPING to +9 broad axe "Kosum" {antimagic,
                  | rC+}.
 26368 | D:14     | 26368 ||| SWAPPING to +6 heavy broad axe.
 26369 | D:14     | 26369 ||| SWAPPING to +9 broad axe "Kosum" {antimagic,
                  | rC+}.
 26370 | D:14     | 26370 ||| SWAPPING to +6 heavy broad axe.
 26371 | D:14     | 26371 ||| SWAPPING to +9 broad axe "Kosum" {antimagic,
                  | rC+}.
 26372 | D:14     | 26372 ||| SWAPPING to +6 heavy broad axe.
 26373 | D:14     | 26373 ||| SWAPPING to +9 broad axe "Kosum" {antimagic,
                  | rC+}.
 26374 | D:14     | 26374 ||| SWAPPING to +6 heavy broad axe.
 26375 | D:14     | 26375 ||| SWAPPING to +9 broad axe "Kosum" {antimagic,
                  | rC+}.
 26376 | D:14     | 26376 ||| SWAPPING to +6 heavy broad axe.
 26377 | D:14     | 26377 ||| SWAPPING to +9 broad axe "Kosum" {antimagic,
                  | rC+}.
 26378 | D:14     | 26378 ||| SWAPPING to +6 heavy broad axe.
 26379 | D:14     | 26379 ||| SWAPPING to +9 broad axe "Kosum" {antimagic,
                  | rC+}.
 26380 | D:14     | 26380 ||| SWAPPING to +6 heavy broad axe.
 26381 | D:14     | 26381 ||| SWAPPING to +9 broad axe "Kosum" {antimagic,
                  | rC+}.
 26382 | D:14     | 26382 ||| SWAPPING to +6 heavy broad axe.
 26383 | D:14     | 26383 ||| SWAPPING to +9 broad axe "Kosum" {antimagic,
                  | rC+}.
 26384 | D:14     | 26384 ||| SWAPPING to +6 heavy broad axe.
 26385 | D:14     | 26385 ||| SWAPPING to +9 broad axe "Kosum" {antimagic,
                  | rC+}.
 26386 | D:14     | 26386 ||| SWAPPING to +6 heavy broad axe.
 26387 | D:14     | 26387 ||| SWAPPING to +9 broad axe "Kosum" {antimagic,
                  | rC+}.
 26388 | D:14     | 26388 ||| SWAPPING to +6 heavy broad axe.
 26389 | D:14     | 26389 ||| SWAPPING to +9 broad axe "Kosum" {antimagic,
                  | rC+}.
 26390 | D:14     | 26390 ||| SWAPPING to +6 heavy broad axe.
 26391 | D:14     | 26391 ||| SWAPPING to +9 broad axe "Kosum" {antimagic,
                  | rC+}.
 26392 | D:14     | 26392 ||| SWAPPING to +6 heavy broad axe.
 26393 | D:14     | 26393 ||| SWAPPING to +9 broad axe "Kosum" {antimagic,
                  | rC+}.
 26394 | D:14     | 26394 ||| SWAPPING to +6 heavy broad axe.
 26395 | D:14     | 26395 ||| SWAPPING to +9 broad axe "Kosum" {antimagic,
                  | rC+}.
 26396 | D:14     | 26396 ||| SWAPPING to +6 heavy broad axe.
 26397 | D:14     | 26397 ||| SWAPPING to +9 broad axe "Kosum" {antimagic,
                  | rC+}.
 26398 | D:14     | 26398 ||| SWAPPING to +6 heavy broad axe.
 26399 | D:14     | 26399 ||| SWAPPING to +9 broad axe "Kosum" {antimagic,
                  | rC+}.
 26400 | D:14     | 26400 ||| SWAPPING to +6 heavy broad axe.
 26401 | D:14     | 26401 ||| SWAPPING to +9 broad axe "Kosum" {antimagic,
                  | rC+}.
 26402 | D:14     | 26402 ||| SWAPPING to +6 heavy broad axe.
 26403 | D:14     | 26403 ||| SWAPPING to +9 broad axe "Kosum" {antimagic,
                  | rC+}.
 26404 | D:14     | 26404 ||| SWAPPING to +6 heavy broad axe.
 26405 | D:14     | 26405 ||| SWAPPING to +9 broad axe "Kosum" {antimagic,
                  | rC+}.
 26406 | D:14     | 26406 ||| SWAPPING to +6 heavy broad axe.
 26407 | D:14     | 26407 ||| SWAPPING to +9 broad axe "Kosum" {antimagic,
                  | rC+}.
 26408 | D:14     | 26408 ||| SWAPPING to +6 heavy broad axe.
 26409 | D:14     | 26409 ||| SWAPPING to +9 broad axe "Kosum" {antimagic,
                  | rC+}.
 26410 | D:14     | 26410 ||| SWAPPING to +6 heavy broad axe.
 26411 | D:14     | 26411 ||| SWAPPING to +9 broad axe "Kosum" {antimagic,
                  | rC+}.
 26412 | D:14     | 26412 ||| SWAPPING to +6 heavy broad axe.
 26413 | D:14     | 26413 ||| SWAPPING to +9 broad axe "Kosum" {antimagic,
                  | rC+}.
 26414 | D:14     | 26414 ||| SWAPPING to +6 heavy broad axe.
 26415 | D:14     | 26415 ||| SWAPPING to +9 broad axe "Kosum" {antimagic,
                  | rC+}.
 26416 | D:14     | 26416 ||| SWAPPING to +6 heavy broad axe.
 26417 | D:14     | 26417 ||| SWAPPING to +9 broad axe "Kosum" {antimagic,
                  | rC+}.
 26418 | D:14     | 26418 ||| SWAPPING to +6 heavy broad axe.
 26419 | D:14     | 26419 ||| SWAPPING to +9 broad axe "Kosum" {antimagic,
                  | rC+}.
 26420 | D:14     | 26420 ||| SWAPPING to +6 heavy broad axe.
 26421 | D:14     | 26421 ||| SWAPPING to +9 broad axe "Kosum" {antimagic,
                  | rC+}.
 26422 | D:14     | 26422 ||| SWAPPING to +6 heavy broad axe.
 26423 | D:14     | 26423 ||| SWAPPING to +9 broad axe "Kosum" {antimagic,
                  | rC+}.
 26424 | D:14     | 26424 ||| SWAPPING to +6 heavy broad axe.
 26425 | D:14     | 26425 ||| SWAPPING to +9 broad axe "Kosum" {antimagic,
                  | rC+}.
 26426 | D:14     | 26426 ||| SWAPPING to +6 heavy broad axe.
 26427 | D:14     | 26427 ||| SWAPPING to +9 broad axe "Kosum" {antimagic,
                  | rC+}.
 26428 | D:14     | 26428 ||| SWAPPING to +6 heavy broad axe.
 26429 | D:14     | 26429 ||| SWAPPING to +9 broad axe "Kosum" {antimagic,
                  | rC+}.
 26430 | D:14     | 26430 ||| SWAPPING to +6 heavy broad axe.
 26431 | D:14     | 26431 ||| SWAPPING to +9 broad axe "Kosum" {antimagic,
                  | rC+}.
 26432 | D:14     | 26432 ||| SWAPPING to +6 heavy broad axe.
 26433 | D:14     | 26433 ||| SWAPPING to +9 broad axe "Kosum" {antimagic,
                  | rC+}.
 26434 | D:14     | 26434 ||| SWAPPING to +6 heavy broad axe.
 26435 | D:14     | 26435 ||| SWAPPING to +9 broad axe "Kosum" {antimagic,
                  | rC+}.
 26436 | D:14     | 26436 ||| SWAPPING to +6 heavy broad axe.
 26437 | D:14     | 26437 ||| SWAPPING to +9 broad axe "Kosum" {antimagic,
                  | rC+}.
 26438 | D:14     | 26438 ||| SWAPPING to +6 heavy broad axe.
 26439 | D:14     | 26439 ||| SWAPPING to +9 broad axe "Kosum" {antimagic,
                  | rC+}.
 26440 | D:14     | 26440 ||| SWAPPING to +6 heavy broad axe.
 26441 | D:14     | 26441 ||| SWAPPING to +9 broad axe "Kosum" {antimagic,
                  | rC+}.
 26442 | D:14     | 26442 ||| SWAPPING to +6 heavy broad axe.
 26443 | D:14     | 26443 ||| SWAPPING to +9 broad axe "Kosum" {antimagic,
                  | rC+}.
 26444 | D:14     | 26444 ||| SWAPPING to +6 heavy broad axe.
 26445 | D:14     | 26445 ||| SWAPPING to +9 broad axe "Kosum" {antimagic,
                  | rC+}.
 26446 | D:14     | 26446 ||| SWAPPING to +6 heavy broad axe.
 26447 | D:14     | 26447 ||| SWAPPING to +9 broad axe "Kosum" {antimagic,
                  | rC+}.
 26448 | D:14     | 26448 ||| SWAPPING to +6 heavy broad axe.
 26449 | D:14     | 26449 ||| SWAPPING to +9 broad axe "Kosum" {antimagic,
                  | rC+}.
 26450 | D:14     | 26450 ||| SWAPPING to +6 heavy broad axe.
 26451 | D:14     | 26451 ||| SWAPPING to +9 broad axe "Kosum" {antimagic,
                  | rC+}.
 26452 | D:14     | 26452 ||| SWAPPING to +6 heavy broad axe.
 26453 | D:14     | 26453 ||| SWAPPING to +9 broad axe "Kosum" {antimagic,
                  | rC+}.
 26454 | D:14     | 26454 ||| SWAPPING to +6 heavy broad axe.
 26455 | D:14     | 26455 ||| SWAPPING to +9 broad axe "Kosum" {antimagic,
                  | rC+}.
 26456 | D:14     | 26456 ||| SWAPPING to +6 heavy broad axe.
 26457 | D:14     | 26457 ||| SWAPPING to +9 broad axe "Kosum" {antimagic,
                  | rC+}.
 26458 | D:14     | 26458 ||| SWAPPING to +6 heavy broad axe.
 26459 | D:14     | 26459 ||| SWAPPING to +9 broad axe "Kosum" {antimagic,
                  | rC+}.
 26460 | D:14     | 26460 ||| SWAPPING to +6 heavy broad axe.
 26461 | D:14     | 26461 ||| SWAPPING to +9 broad axe "Kosum" {antimagic,
                  | rC+}.
 26462 | D:14     | 26462 ||| SWAPPING to +6 heavy broad axe.
 26463 | D:14     | 26463 ||| SWAPPING to +9 broad axe "Kosum" {antimagic,
                  | rC+}.
 26464 | D:14     | 26464 ||| SWAPPING to +6 heavy broad axe.
 26465 | D:14     | 26465 ||| SWAPPING to +9 broad axe "Kosum" {antimagic,
                  | rC+}.
 26466 | D:14     | 26466 ||| SWAPPING to +6 heavy broad axe.
 26467 | D:14     | 26467 ||| SWAPPING to +9 broad axe "Kosum" {antimagic,
                  | rC+}.
 26468 | D:14     | 26468 ||| SWAPPING to +6 heavy broad axe.
 26469 | D:14     | 26469 ||| SWAPPING to +9 broad axe "Kosum" {antimagic,
                  | rC+}.
 26470 | D:14     | 26470 ||| SWAPPING to +6 heavy broad axe.
 26471 | D:14     | 26471 ||| SWAPPING to +9 broad axe "Kosum" {antimagic,
                  | rC+}.
 26472 | D:14     | 26472 ||| SWAPPING to +6 heavy broad axe.
 26473 | D:14     | 26473 ||| SWAPPING to +9 broad axe "Kosum" {antimagic,
                  | rC+}.
 26474 | D:14     | 26474 ||| SWAPPING to +6 heavy broad axe.
 26475 | D:14     | 26475 ||| SWAPPING to +9 broad axe "Kosum" {antimagic,
                  | rC+}.
 26476 | D:14     | 26476 ||| SWAPPING to +6 heavy broad axe.
 26477 | D:14     | 26477 ||| SWAPPING to +9 broad axe "Kosum" {antimagic,
                  | rC+}.
 26478 | D:14     | 26478 ||| SWAPPING to +6 heavy broad axe.
 26479 | D:14     | 26479 ||| SWAPPING to +9 broad axe "Kosum" {antimagic,
                  | rC+}.
 26480 | D:14     | 26480 ||| SWAPPING to +6 heavy broad axe.
 26481 | D:14     | 26481 ||| SWAPPING to +9 broad axe "Kosum" {antimagic,
                  | rC+}.
 26482 | D:14     | 26482 ||| SWAPPING to +6 heavy broad axe.
 26483 | D:14     | 26483 ||| SWAPPING to +9 broad axe "Kosum" {antimagic,
                  | rC+}.
 26484 | D:14     | 26484 ||| SWAPPING to +6 heavy broad axe.
 26485 | D:14     | 26485 ||| SWAPPING to +9 broad axe "Kosum" {antimagic,
                  | rC+}.
 26486 | D:14     | 26486 ||| SWAPPING to +6 heavy broad axe.
 26487 | D:14     | 26487 ||| SWAPPING to +9 broad axe "Kosum" {antimagic,
                  | rC+}.
 26488 | D:14     | 26488 ||| SWAPPING to +6 heavy broad axe.
 26489 | D:14     | 26489 ||| SWAPPING to +9 broad axe "Kosum" {antimagic,
                  | rC+}.
 26490 | D:14     | 26490 ||| SWAPPING to +6 heavy broad axe.
 26491 | D:14     | 26491 ||| SWAPPING to +9 broad axe "Kosum" {antimagic,
                  | rC+}.
 26492 | D:14     | 26492 ||| SWAPPING to +6 heavy broad axe.
 26493 | D:14     | 26493 ||| SWAPPING to +9 broad axe "Kosum" {antimagic,
                  | rC+}.
 26494 | D:14     | 26494 ||| SWAPPING to +6 heavy broad axe.
 26495 | D:14     | 26495 ||| SWAPPING to +9 broad axe "Kosum" {antimagic,
                  | rC+}.
 26496 | D:14     | 26496 ||| SWAPPING to +6 heavy broad axe.
 26497 | D:14     | 26497 ||| SWAPPING to +9 broad axe "Kosum" {antimagic,
                  | rC+}.
 26498 | D:14     | 26498 ||| SWAPPING to +6 heavy broad axe.
 26499 | D:14     | 26499 ||| SWAPPING to +9 broad axe "Kosum" {antimagic,
                  | rC+}.
 26500 | D:14     | 26500 ||| SWAPPING to +6 heavy broad axe.
 26501 | D:14     | 26501 ||| SWAPPING to +9 broad axe "Kosum" {antimagic,
                  | rC+}.
 26502 | D:14     | 26502 ||| SWAPPING to +6 heavy broad axe.
 26503 | D:14     | 26503 ||| SWAPPING to +9 broad axe "Kosum" {antimagic,
                  | rC+}.
 26504 | D:14     | 26504 ||| SWAPPING to +6 heavy broad axe.
 26505 | D:14     | 26505 ||| SWAPPING to +9 broad axe "Kosum" {antimagic,
                  | rC+}.
 26506 | D:14     | 26506 ||| SWAPPING to +6 heavy broad axe.
 26507 | D:14     | 26507 ||| SWAPPING to +9 broad axe "Kosum" {antimagic,
                  | rC+}.
 26508 | D:14     | 26508 ||| SWAPPING to +6 heavy broad axe.
 26509 | D:14     | 26509 ||| SWAPPING to +9 broad axe "Kosum" {antimagic,
                  | rC+}.
 26510 | D:14     | 26510 ||| SWAPPING to +6 heavy broad axe.
 26511 | D:14     | 26511 ||| SWAPPING to +9 broad axe "Kosum" {antimagic,
                  | rC+}.
 26512 | D:14     | 26512 ||| SWAPPING to +6 heavy broad axe.
 26513 | D:14     | 26513 ||| SWAPPING to +9 broad axe "Kosum" {antimagic,
                  | rC+}.
 26514 | D:14     | 26514 ||| SWAPPING to +6 heavy broad axe.
 26515 | D:14     | 26515 ||| SWAPPING to +9 broad axe "Kosum" {antimagic,
                  | rC+}.
 26516 | D:14     | 26516 ||| SWAPPING to +6 heavy broad axe.
 26517 | D:14     | 26517 ||| SWAPPING to +9 broad axe "Kosum" {antimagic,
                  | rC+}.
 26518 | D:14     | 26518 ||| SWAPPING to +6 heavy broad axe.
 26519 | D:14     | 26519 ||| SWAPPING to +9 broad axe "Kosum" {antimagic,
                  | rC+}.
 26520 | D:14     | 26520 ||| SWAPPING to +6 heavy broad axe.
 26521 | D:14     | 26521 ||| SWAPPING to +9 broad axe "Kosum" {antimagic,
                  | rC+}.
 26522 | D:14     | 26522 ||| SWAPPING to +6 heavy broad axe.
 26523 | D:14     | 26523 ||| SWAPPING to +9 broad axe "Kosum" {antimagic,
                  | rC+}.
 26524 | D:14     | 26524 ||| SWAPPING to +6 heavy broad axe.
 26525 | D:14     | 26525 ||| SWAPPING to +9 broad axe "Kosum" {antimagic,
                  | rC+}.
 26526 | D:14     | 26526 ||| SWAPPING to +6 heavy broad axe.
 26527 | D:14     | 26527 ||| SWAPPING to +9 broad axe "Kosum" {antimagic,
                  | rC+}.
 26528 | D:14     | 26528 ||| SWAPPING to +6 heavy broad axe.
 26529 | D:14     | 26529 ||| SWAPPING to +9 broad axe "Kosum" {antimagic,
                  | rC+}.
 26530 | D:14     | 26530 ||| SWAPPING to +6 heavy broad axe.
 26531 | D:14     | 26531 ||| SWAPPING to +9 broad axe "Kosum" {antimagic,
                  | rC+}.
 26532 | D:14     | 26532 ||| SWAPPING to +6 heavy broad axe.
 26533 | D:14     | 26533 ||| SWAPPING to +9 broad axe "Kosum" {antimagic,
                  | rC+}.
 26534 | D:14     | 26534 ||| SWAPPING to +6 heavy broad axe.
 26535 | D:14     | 26535 ||| SWAPPING to +9 broad axe "Kosum" {antimagic,
                  | rC+}.
 26536 | D:14     | 26536 ||| SWAPPING to +6 heavy broad axe.
 26537 | D:14     | 26537 ||| SWAPPING to +9 broad axe "Kosum" {antimagic,
                  | rC+}.
 26538 | D:14     | 26538 ||| SWAPPING to +6 heavy broad axe.
 26539 | D:14     | 26539 ||| SWAPPING to +9 broad axe "Kosum" {antimagic,
                  | rC+}.
 26540 | D:14     | 26540 ||| SWAPPING to +6 heavy broad axe.
 26541 | D:14     | 26541 ||| SWAPPING to +9 broad axe "Kosum" {antimagic,
                  | rC+}.
 26542 | D:14     | 26542 ||| SWAPPING to +6 heavy broad axe.
 26543 | D:14     | 26543 ||| SWAPPING to +9 broad axe "Kosum" {antimagic,
                  | rC+}.
 26544 | D:14     | 26544 ||| SWAPPING to +6 heavy broad axe.
 26545 | D:14     | 26545 ||| SWAPPING to +9 broad axe "Kosum" {antimagic,
                  | rC+}.
 26546 | D:14     | 26546 ||| SWAPPING to +6 heavy broad axe.
 26547 | D:14     | 26547 ||| SWAPPING to +9 broad axe "Kosum" {antimagic,
                  | rC+}.
 26548 | D:14     | 26548 ||| SWAPPING to +6 heavy broad axe.
 26549 | D:14     | 26549 ||| SWAPPING to +9 broad axe "Kosum" {antimagic,
                  | rC+}.
 26550 | D:14     | 26550 ||| SWAPPING to +6 heavy broad axe.
 26551 | D:14     | 26551 ||| SWAPPING to +9 broad axe "Kosum" {antimagic,
                  | rC+}.
 26552 | D:14     | 26552 ||| SWAPPING to +6 heavy broad axe.
 26553 | D:14     | 26553 ||| SWAPPING to +9 broad axe "Kosum" {antimagic,
                  | rC+}.
 26554 | D:14     | 26554 ||| SWAPPING to +6 heavy broad axe.
 26555 | D:14     | 26555 ||| SWAPPING to +9 broad axe "Kosum" {antimagic,
                  | rC+}.
 26556 | D:14     | 26556 ||| SWAPPING to +6 heavy broad axe.
 26557 | D:14     | 26557 ||| SWAPPING to +9 broad axe "Kosum" {antimagic,
                  | rC+}.
 26558 | D:14     | 26558 ||| SWAPPING to +6 heavy broad axe.
 26559 | D:14     | 26559 ||| SWAPPING to +9 broad axe "Kosum" {antimagic,
                  | rC+}.
 26560 | D:14     | 26560 ||| SWAPPING to +6 heavy broad axe.
 26561 | D:14     | 26561 ||| SWAPPING to +9 broad axe "Kosum" {antimagic,
                  | rC+}.
 26562 | D:14     | 26562 ||| SWAPPING to +6 heavy broad axe.
 26563 | D:14     | 26563 ||| SWAPPING to +9 broad axe "Kosum" {antimagic,
                  | rC+}.
 26564 | D:14     | 26564 ||| SWAPPING to +6 heavy broad axe.
 26565 | D:14     | 26565 ||| SWAPPING to +9 broad axe "Kosum" {antimagic,
                  | rC+}.
 26566 | D:14     | 26566 ||| SWAPPING to +6 heavy broad axe.
 26567 | D:14     | 26567 ||| SWAPPING to +9 broad axe "Kosum" {antimagic,
                  | rC+}.
 26568 | D:14     | 26568 ||| SWAPPING to +6 heavy broad axe.
 26569 | D:14     | 26569 ||| SWAPPING to +9 broad axe "Kosum" {antimagic,
                  | rC+}.
 26570 | D:14     | 26570 ||| SWAPPING to +6 heavy broad axe.
 26571 | D:14     | 26571 ||| SWAPPING to +9 broad axe "Kosum" {antimagic,
                  | rC+}.
 26572 | D:14     | 26572 ||| SWAPPING to +6 heavy broad axe.
 26573 | D:14     | 26573 ||| SWAPPING to +9 broad axe "Kosum" {antimagic,
                  | rC+}.
 26574 | D:14     | 26574 ||| SWAPPING to +6 heavy broad axe.
 26575 | D:14     | 26575 ||| SWAPPING to +9 broad axe "Kosum" {antimagic,
                  | rC+}.
 26576 | D:14     | 26576 ||| SWAPPING to +6 heavy broad axe.
 26577 | D:14     | 26577 ||| SWAPPING to +9 broad axe "Kosum" {antimagic,
                  | rC+}.
 26578 | D:14     | 26578 ||| SWAPPING to +6 heavy broad axe.
 26579 | D:14     | 26579 ||| SWAPPING to +9 broad axe "Kosum" {antimagic,
                  | rC+}.
 26580 | D:14     | 26580 ||| SWAPPING to +6 heavy broad axe.
 26581 | D:14     | 26581 ||| SWAPPING to +9 broad axe "Kosum" {antimagic,
                  | rC+}.
 26582 | D:14     | 26582 ||| SWAPPING to +6 heavy broad axe.
 26583 | D:14     | 26583 ||| SWAPPING to +9 broad axe "Kosum" {antimagic,
                  | rC+}.
 26584 | D:14     | 26584 ||| SWAPPING to +6 heavy broad axe.
 26585 | D:14     | 26585 ||| SWAPPING to +9 broad axe "Kosum" {antimagic,
                  | rC+}.
 26586 | D:14     | 26586 ||| SWAPPING to +6 heavy broad axe.
 26587 | D:14     | 26587 ||| SWAPPING to +9 broad axe "Kosum" {antimagic,
                  | rC+}.
 26588 | D:14     | 26588 ||| SWAPPING to +6 heavy broad axe.
 26589 | D:14     | 26589 ||| SWAPPING to +9 broad axe "Kosum" {antimagic,
                  | rC+}.
 26590 | D:14     | 26590 ||| SWAPPING to +6 heavy broad axe.
 26591 | D:14     | 26591 ||| SWAPPING to +9 broad axe "Kosum" {antimagic,
                  | rC+}.
 26592 | D:14     | 26592 ||| SWAPPING to +6 heavy broad axe.
 26593 | D:14     | 26593 ||| SWAPPING to +9 broad axe "Kosum" {antimagic,
                  | rC+}.
 26594 | D:14     | 26594 ||| SWAPPING to +6 heavy broad axe.
 26595 | D:14     | 26595 ||| SWAPPING to +9 broad axe "Kosum" {antimagic,
                  | rC+}.
 26596 | D:14     | 26596 ||| SWAPPING to +6 heavy broad axe.
 26597 | D:14     | 26597 ||| SWAPPING to +9 broad axe "Kosum" {antimagic,
                  | rC+}.
 26598 | D:14     | 26598 ||| SWAPPING to +6 heavy broad axe.
 26599 | D:14     | 26599 ||| SWAPPING to +9 broad axe "Kosum" {antimagic,
                  | rC+}.
 26600 | D:14     | 26600 ||| SWAPPING to +6 heavy broad axe.
 26601 | D:14     | 26601 ||| SWAPPING to +9 broad axe "Kosum" {antimagic,
                  | rC+}.
 26602 | D:14     | 26602 ||| SWAPPING to +6 heavy broad axe.
 26603 | D:14     | 26603 ||| SWAPPING to +9 broad axe "Kosum" {antimagic,
                  | rC+}.
 26604 | D:14     | 26604 ||| SWAPPING to +6 heavy broad axe.
 26605 | D:14     | 26605 ||| SWAPPING to +9 broad axe "Kosum" {antimagic,
                  | rC+}.
 26606 | D:14     | 26606 ||| SWAPPING to +6 heavy broad axe.
 26607 | D:14     | 26607 ||| SWAPPING to +9 broad axe "Kosum" {antimagic,
                  | rC+}.
 26608 | D:14     | 26608 ||| SWAPPING to +6 heavy broad axe.
 26609 | D:14     | 26609 ||| SWAPPING to +9 broad axe "Kosum" {antimagic,
                  | rC+}.
 26610 | D:14     | 26610 ||| SWAPPING to +6 heavy broad axe.
 26611 | D:14     | 26611 ||| SWAPPING to +9 broad axe "Kosum" {antimagic,
                  | rC+}.
 26612 | D:14     | 26612 ||| SWAPPING to +6 heavy broad axe.
 26613 | D:14     | 26613 ||| SWAPPING to +9 broad axe "Kosum" {antimagic,
                  | rC+}.
 26614 | D:14     | 26614 ||| SWAPPING to +6 heavy broad axe.
 26615 | D:14     | 26615 ||| SWAPPING to +9 broad axe "Kosum" {antimagic,
                  | rC+}.
 26616 | D:14     | 26616 ||| SWAPPING to +6 heavy broad axe.
 26617 | D:14     | 26617 ||| SWAPPING to +9 broad axe "Kosum" {antimagic,
                  | rC+}.
 26618 | D:14     | 26618 ||| SWAPPING to +6 heavy broad axe.
 26619 | D:14     | 26619 ||| SWAPPING to +9 broad axe "Kosum" {antimagic,
                  | rC+}.
 26620 | D:14     | 26620 ||| SWAPPING to +6 heavy broad axe.
 26621 | D:14     | 26621 ||| SWAPPING to +9 broad axe "Kosum" {antimagic,
                  | rC+}.
 26622 | D:14     | 26622 ||| SWAPPING to +6 heavy broad axe.
 26623 | D:14     | 26623 ||| SWAPPING to +9 broad axe "Kosum" {antimagic,
                  | rC+}.
 26624 | D:14     | 26624 ||| SWAPPING to +6 heavy broad axe.
 26625 | D:14     | 26625 ||| SWAPPING to +9 broad axe "Kosum" {antimagic,
                  | rC+}.
 26626 | D:14     | 26626 ||| SWAPPING to +6 heavy broad axe.
 26627 | D:14     | 26627 ||| SWAPPING to +9 broad axe "Kosum" {antimagic,
                  | rC+}.
 26628 | D:14     | 26628 ||| SWAPPING to +6 heavy broad axe.
 26629 | D:14     | 26629 ||| SWAPPING to +9 broad axe "Kosum" {antimagic,
                  | rC+}.
 26630 | D:14     | 26630 ||| SWAPPING to +6 heavy broad axe.
 26631 | D:14     | 26631 ||| SWAPPING to +9 broad axe "Kosum" {antimagic,
                  | rC+}.
 26632 | D:14     | 26632 ||| SWAPPING to +6 heavy broad axe.
 26633 | D:14     | 26633 ||| SWAPPING to +9 broad axe "Kosum" {antimagic,
                  | rC+}.
 26634 | D:14     | 26634 ||| SWAPPING to +6 heavy broad axe.
 26635 | D:14     | 26635 ||| SWAPPING to +9 broad axe "Kosum" {antimagic,
                  | rC+}.
 26636 | D:14     | 26636 ||| SWAPPING to +6 heavy broad axe.
 26637 | D:14     | 26637 ||| SWAPPING to +9 broad axe "Kosum" {antimagic,
                  | rC+}.
 26638 | D:14     | 26638 ||| SWAPPING to +6 heavy broad axe.
 26639 | D:14     | 26639 ||| SWAPPING to +9 broad axe "Kosum" {antimagic,
                  | rC+}.
 26640 | D:14     | 26640 ||| SWAPPING to +6 heavy broad axe.
 26641 | D:14     | 26641 ||| SWAPPING to +9 broad axe "Kosum" {antimagic,
                  | rC+}.
 26642 | D:14     | 26642 ||| SWAPPING to +6 heavy broad axe.
 26643 | D:14     | 26643 ||| SWAPPING to +9 broad axe "Kosum" {antimagic,
                  | rC+}.
 26644 | D:14     | 26644 ||| SWAPPING to +6 heavy broad axe.
 26645 | D:14     | 26645 ||| SWAPPING to +9 broad axe "Kosum" {antimagic,
                  | rC+}.
 26646 | D:14     | 26646 ||| SWAPPING to +6 heavy broad axe.
 26647 | D:14     | 26647 ||| SWAPPING to +9 broad axe "Kosum" {antimagic,
                  | rC+}.
 26648 | D:14     | 26648 ||| SWAPPING to +6 heavy broad axe.
 26649 | D:14     | 26649 ||| SWAPPING to +9 broad axe "Kosum" {antimagic,
                  | rC+}.
 26650 | D:14     | 26650 ||| SWAPPING to +6 heavy broad axe.
 26651 | D:14     | 26651 ||| SWAPPING to +9 broad axe "Kosum" {antimagic,
                  | rC+}.
 26652 | D:14     | 26652 ||| SWAPPING to +6 heavy broad axe.
 26653 | D:14     | 26653 ||| SWAPPING to +9 broad axe "Kosum" {antimagic,
                  | rC+}.
 26654 | D:14     | 26654 ||| SWAPPING to +6 heavy broad axe.
 26655 | D:14     | 26655 ||| SWAPPING to +9 broad axe "Kosum" {antimagic,
                  | rC+}.
 26656 | D:14     | 26656 ||| SWAPPING to +6 heavy broad axe.
 26657 | D:14     | 26657 ||| SWAPPING to +9 broad axe "Kosum" {antimagic,
                  | rC+}.
 26658 | D:14     | 26658 ||| SWAPPING to +6 heavy broad axe.
 26659 | D:14     | 26659 ||| SWAPPING to +9 broad axe "Kosum" {antimagic,
                  | rC+}.
 26660 | D:14     | 26660 ||| SWAPPING to +6 heavy broad axe.
 26661 | D:14     | 26661 ||| SWAPPING to +9 broad axe "Kosum" {antimagic,
                  | rC+}.
 26662 | D:14     | 26662 ||| SWAPPING to +6 heavy broad axe.
 26663 | D:14     | 26663 ||| SWAPPING to +9 broad axe "Kosum" {antimagic,
                  | rC+}.
 26664 | D:14     | 26664 ||| SWAPPING to +6 heavy broad axe.
 26665 | D:14     | 26665 ||| SWAPPING to +9 broad axe "Kosum" {antimagic,
                  | rC+}.
 26666 | D:14     | 26666 ||| SWAPPING to +6 heavy broad axe.
 26667 | D:14     | 26667 ||| SWAPPING to +9 broad axe "Kosum" {antimagic,
                  | rC+}.
 26668 | D:14     | 26668 ||| SWAPPING to +6 heavy broad axe.
 26669 | D:14     | 26669 ||| SWAPPING to +9 broad axe "Kosum" {antimagic,
                  | rC+}.
 26670 | D:14     | 26670 ||| SWAPPING to +6 heavy broad axe.
 26671 | D:14     | 26671 ||| SWAPPING to +9 broad axe "Kosum" {antimagic,
                  | rC+}.
 26672 | D:14     | 26672 ||| SWAPPING to +6 heavy broad axe.
 26673 | D:14     | 26673 ||| SWAPPING to +9 broad axe "Kosum" {antimagic,
                  | rC+}.
 26674 | D:14     | 26674 ||| SWAPPING to +6 heavy broad axe.
 26675 | D:14     | 26675 ||| SWAPPING to +9 broad axe "Kosum" {antimagic,
                  | rC+}.
 26676 | D:14     | 26676 ||| SWAPPING to +6 heavy broad axe.
 26677 | D:14     | 26677 ||| SWAPPING to +9 broad axe "Kosum" {antimagic,
                  | rC+}.
 26678 | D:14     | 26678 ||| SWAPPING to +6 heavy broad axe.
 26679 | D:14     | 26679 ||| SWAPPING to +9 broad axe "Kosum" {antimagic,
                  | rC+}.
 26680 | D:14     | 26680 ||| SWAPPING to +6 heavy broad axe.
 26681 | D:14     | 26681 ||| SWAPPING to +9 broad axe "Kosum" {antimagic,
                  | rC+}.
 26682 | D:14     | 26682 ||| SWAPPING to +6 heavy broad axe.
 26683 | D:14     | 26683 ||| SWAPPING to +9 broad axe "Kosum" {antimagic,
                  | rC+}.
 26684 | D:14     | 26684 ||| SWAPPING to +6 heavy broad axe.
 26685 | D:14     | 26685 ||| SWAPPING to +9 broad axe "Kosum" {antimagic,
                  | rC+}.
 26686 | D:14     | 26686 ||| SWAPPING to +6 heavy broad axe.
 26687 | D:14     | 26687 ||| SWAPPING to +9 broad axe "Kosum" {antimagic,
                  | rC+}.
 26688 | D:14     | 26688 ||| SWAPPING to +6 heavy broad axe.
 26689 | D:14     | 26689 ||| SWAPPING to +9 broad axe "Kosum" {antimagic,
                  | rC+}.
 26690 | D:14     | 26690 ||| SWAPPING to +6 heavy broad axe.
 26691 | D:14     | 26691 ||| SWAPPING to +9 broad axe "Kosum" {antimagic,
                  | rC+}.
 26692 | D:14     | 26692 ||| SWAPPING to +6 heavy broad axe.
 26693 | D:14     | 26693 ||| SWAPPING to +9 broad axe "Kosum" {antimagic,
                  | rC+}.
 26694 | D:14     | 26694 ||| SWAPPING to +6 heavy broad axe.
 26695 | D:14     | 26695 ||| SWAPPING to +9 broad axe "Kosum" {antimagic,
                  | rC+}.
 26696 | D:14     | 26696 ||| SWAPPING to +6 heavy broad axe.
 26697 | D:14     | 26697 ||| SWAPPING to +9 broad axe "Kosum" {antimagic,
                  | rC+}.
 26698 | D:14     | 26698 ||| SWAPPING to +6 heavy broad axe.
 26699 | D:14     | 26699 ||| SWAPPING to +9 broad axe "Kosum" {antimagic,
                  | rC+}.
 26700 | D:14     | 26700 ||| SWAPPING to +6 heavy broad axe.
 26701 | D:14     | 26701 ||| SWAPPING to +9 broad axe "Kosum" {antimagic,
                  | rC+}.
 26702 | D:14     | 26702 ||| SWAPPING to +6 heavy broad axe.
 26703 | D:14     | 26703 ||| SWAPPING to +9 broad axe "Kosum" {antimagic,
                  | rC+}.
 26704 | D:14     | 26704 ||| SWAPPING to +6 heavy broad axe.
 26705 | D:14     | 26705 ||| SWAPPING to +9 broad axe "Kosum" {antimagic,
                  | rC+}.
 26706 | D:14     | 26706 ||| SWAPPING to +6 heavy broad axe.
 26707 | D:14     | 26707 ||| SWAPPING to +9 broad axe "Kosum" {antimagic,
                  | rC+}.
 26708 | D:14     | 26708 ||| SWAPPING to +6 heavy broad axe.
 26709 | D:14     | 26709 ||| SWAPPING to +9 broad axe "Kosum" {antimagic,
                  | rC+}.
 26710 | D:14     | 26710 ||| SWAPPING to +6 heavy broad axe.
 26711 | D:14     | 26711 ||| SWAPPING to +9 broad axe "Kosum" {antimagic,
                  | rC+}.
 26712 | D:14     | 26712 ||| SWAPPING to +6 heavy broad axe.
 26713 | D:14     | 26713 ||| SWAPPING to +9 broad axe "Kosum" {antimagic,
                  | rC+}.
 26714 | D:14     | 26714 ||| SWAPPING to +6 heavy broad axe.
 26715 | D:14     | 26715 ||| SWAPPING to +9 broad axe "Kosum" {antimagic,
                  | rC+}.
 26716 | D:14     | 26716 ||| SWAPPING to +6 heavy broad axe.
 26717 | D:14     | 26717 ||| SWAPPING to +9 broad axe "Kosum" {antimagic,
                  | rC+}.
 26718 | D:14     | 26718 ||| SWAPPING to +6 heavy broad axe.
 26719 | D:14     | 26719 ||| SWAPPING to +9 broad axe "Kosum" {antimagic,
                  | rC+}.
 26720 | D:14     | 26720 ||| SWAPPING to +6 heavy broad axe.
 26721 | D:14     | 26721 ||| SWAPPING to +9 broad axe "Kosum" {antimagic,
                  | rC+}.
 26722 | D:14     | 26722 ||| SWAPPING to +6 heavy broad axe.
 26723 | D:14     | 26723 ||| SWAPPING to +9 broad axe "Kosum" {antimagic,
                  | rC+}.
 26724 | D:14     | 26724 ||| SWAPPING to +6 heavy broad axe.
 26725 | D:14     | 26725 ||| SWAPPING to +9 broad axe "Kosum" {antimagic,
                  | rC+}.
 26726 | D:14     | 26726 ||| SWAPPING to +6 heavy broad axe.
 26727 | D:14     | 26727 ||| SWAPPING to +9 broad axe "Kosum" {antimagic,
                  | rC+}.
 26728 | D:14     | 26728 ||| SWAPPING to +6 heavy broad axe.
 26729 | D:14     | 26729 ||| SWAPPING to +9 broad axe "Kosum" {antimagic,
                  | rC+}.
 26730 | D:14     | 26730 ||| SWAPPING to +6 heavy broad axe.
 26731 | D:14     | 26731 ||| SWAPPING to +9 broad axe "Kosum" {antimagic,
                  | rC+}.
 26732 | D:14     | 26732 ||| SWAPPING to +6 heavy broad axe.
 26733 | D:14     | 26733 ||| SWAPPING to +9 broad axe "Kosum" {antimagic,
                  | rC+}.
 26734 | D:14     | 26734 ||| SWAPPING to +6 heavy broad axe.
 26735 | D:14     | 26735 ||| SWAPPING to +9 broad axe "Kosum" {antimagic,
                  | rC+}.
 26736 | D:14     | 26736 ||| SWAPPING to +6 heavy broad axe.
 26737 | D:14     | 26737 ||| SWAPPING to +9 broad axe "Kosum" {antimagic,
                  | rC+}.
 26738 | D:14     | 26738 ||| SWAPPING to +6 heavy broad axe.
 26739 | D:14     | 26739 ||| SWAPPING to +9 broad axe "Kosum" {antimagic,
                  | rC+}.
 26740 | D:14     | 26740 ||| SWAPPING to +6 heavy broad axe.
 26741 | D:14     | 26741 ||| SWAPPING to +9 broad axe "Kosum" {antimagic,
                  | rC+}.
 26742 | D:14     | 26742 ||| SWAPPING to +6 heavy broad axe.
 26743 | D:14     | 26743 ||| SWAPPING to +9 broad axe "Kosum" {antimagic,
                  | rC+}.
 26744 | D:14     | 26744 ||| SWAPPING to +6 heavy broad axe.
 26745 | D:14     | 26745 ||| SWAPPING to +9 broad axe "Kosum" {antimagic,
                  | rC+}.
 26746 | D:14     | 26746 ||| SWAPPING to +6 heavy broad axe.
 26747 | D:14     | 26747 ||| SWAPPING to +9 broad axe "Kosum" {antimagic,
                  | rC+}.
 26748 | D:14     | 26748 ||| SWAPPING to +6 heavy broad axe.
 26749 | D:14     | 26749 ||| SWAPPING to +9 broad axe "Kosum" {antimagic,
                  | rC+}.
 26750 | D:14     | 26750 ||| SWAPPING to +6 heavy broad axe.
 26751 | D:14     | 26751 ||| SWAPPING to +9 broad axe "Kosum" {antimagic,
                  | rC+}.
 26752 | D:14     | 26752 ||| SWAPPING to +6 heavy broad axe.
 26753 | D:14     | 26753 ||| SWAPPING to +9 broad axe "Kosum" {antimagic,
                  | rC+}.
 26754 | D:14     | 26754 ||| SWAPPING to +6 heavy broad axe.
 26755 | D:14     | 26755 ||| SWAPPING to +9 broad axe "Kosum" {antimagic,
                  | rC+}.
 26756 | D:14     | 26756 ||| SWAPPING to +6 heavy broad axe.
 26757 | D:14     | 26757 ||| SWAPPING to +9 broad axe "Kosum" {antimagic,
                  | rC+}.
 26758 | D:14     | 26758 ||| SWAPPING to +6 heavy broad axe.
 26759 | D:14     | 26759 ||| SWAPPING to +9 broad axe "Kosum" {antimagic,
                  | rC+}.
 26760 | D:14     | 26760 ||| SWAPPING to +6 heavy broad axe.
 26761 | D:14     | 26761 ||| SWAPPING to +9 broad axe "Kosum" {antimagic,
                  | rC+}.
 26762 | D:14     | 26762 ||| SWAPPING to +6 heavy broad axe.
 26763 | D:14     | 26763 ||| SWAPPING to +9 broad axe "Kosum" {antimagic,
                  | rC+}.
 26764 | D:14     | 26764 ||| SWAPPING to +6 heavy broad axe.
 26765 | D:14     | 26765 ||| SWAPPING to +9 broad axe "Kosum" {antimagic,
                  | rC+}.
 26766 | D:14     | 26766 ||| SWAPPING to +6 heavy broad axe.
 26767 | D:14     | 26767 ||| SWAPPING to +9 broad axe "Kosum" {antimagic,
                  | rC+}.
 26768 | D:14     | 26768 ||| SWAPPING to +6 heavy broad axe.
 26769 | D:14     | 26769 ||| SWAPPING to +9 broad axe "Kosum" {antimagic,
                  | rC+}.
 26770 | D:14     | 26770 ||| SWAPPING to +6 heavy broad axe.
 26771 | D:14     | 26771 ||| SWAPPING to +9 broad axe "Kosum" {antimagic,
                  | rC+}.
 26772 | D:14     | 26772 ||| SWAPPING to +6 heavy broad axe.
 26773 | D:14     | 26773 ||| SWAPPING to +9 broad axe "Kosum" {antimagic,
                  | rC+}.
 26774 | D:14     | 26774 ||| SWAPPING to +6 heavy broad axe.
 26775 | D:14     | 26775 ||| SWAPPING to +9 broad axe "Kosum" {antimagic,
                  | rC+}.
 26776 | D:14     | 26776 ||| SWAPPING to +6 heavy broad axe.
 26777 | D:14     | 26777 ||| SWAPPING to +9 broad axe "Kosum" {antimagic,
                  | rC+}.
 26778 | D:14     | 26778 ||| SWAPPING to +6 heavy broad axe.
 26779 | D:14     | 26779 ||| SWAPPING to +9 broad axe "Kosum" {antimagic,
                  | rC+}.
 26780 | D:14     | 26780 ||| SWAPPING to +6 heavy broad axe.
 26781 | D:14     | 26781 ||| SWAPPING to +9 broad axe "Kosum" {antimagic,
                  | rC+}.
 26782 | D:14     | 26782 ||| SWAPPING to +6 heavy broad axe.
 26783 | D:14     | 26783 ||| SWAPPING to +9 broad axe "Kosum" {antimagic,
                  | rC+}.
 26784 | D:14     | 26784 ||| SWAPPING to +6 heavy broad axe.
 26785 | D:14     | 26785 ||| SWAPPING to +9 broad axe "Kosum" {antimagic,
                  | rC+}.
 26786 | D:14     | 26786 ||| SWAPPING to +6 heavy broad axe.
 26787 | D:14     | 26787 ||| SWAPPING to +9 broad axe "Kosum" {antimagic,
                  | rC+}.
 26788 | D:14     | 26788 ||| SWAPPING to +6 heavy broad axe.
 26789 | D:14     | 26789 ||| SWAPPING to +9 broad axe "Kosum" {antimagic,
                  | rC+}.
 26790 | D:14     | 26790 ||| SWAPPING to +6 heavy broad axe.
 26791 | D:14     | 26791 ||| SWAPPING to +9 broad axe "Kosum" {antimagic,
                  | rC+}.
 26792 | D:14     | 26792 ||| SWAPPING to +6 heavy broad axe.
 26793 | D:14     | 26793 ||| SWAPPING to +9 broad axe "Kosum" {antimagic,
                  | rC+}.
 26794 | D:14     | 26794 ||| SWAPPING to +6 heavy broad axe.
 26795 | D:14     | 26795 ||| SWAPPING to +9 broad axe "Kosum" {antimagic,
                  | rC+}.
 26796 | D:14     | 26796 ||| SWAPPING to +6 heavy broad axe.
 26797 | D:14     | 26797 ||| SWAPPING to +9 broad axe "Kosum" {antimagic,
                  | rC+}.
 26798 | D:14     | 26798 ||| SWAPPING to +6 heavy broad axe.
 26799 | D:14     | 26799 ||| SWAPPING to +9 broad axe "Kosum" {antimagic,
                  | rC+}.
 26800 | D:14     | 26800 ||| SWAPPING to +6 heavy broad axe.
 26801 | D:14     | 26801 ||| SWAPPING to +9 broad axe "Kosum" {antimagic,
                  | rC+}.
 26802 | D:14     | 26802 ||| SWAPPING to +6 heavy broad axe.
 26803 | D:14     | 26803 ||| SWAPPING to +9 broad axe "Kosum" {antimagic,
                  | rC+}.
 26804 | D:14     | 26804 ||| SWAPPING to +6 heavy broad axe.
 26805 | D:14     | 26805 ||| SWAPPING to +9 broad axe "Kosum" {antimagic,
                  | rC+}.
 26806 | D:14     | 26806 ||| SWAPPING to +6 heavy broad axe.
 26807 | D:14     | 26807 ||| SWAPPING to +9 broad axe "Kosum" {antimagic,
                  | rC+}.
 26808 | D:14     | 26808 ||| SWAPPING to +6 heavy broad axe.
 26809 | D:14     | 26809 ||| SWAPPING to +9 broad axe "Kosum" {antimagic,
                  | rC+}.
 26810 | D:14     | 26810 ||| SWAPPING to +6 heavy broad axe.
 26811 | D:14     | 26811 ||| SWAPPING to +9 broad axe "Kosum" {antimagic,
                  | rC+}.
 26812 | D:14     | 26812 ||| SWAPPING to +6 heavy broad axe.
 26813 | D:14     | 26813 ||| SWAPPING to +9 broad axe "Kosum" {antimagic,
                  | rC+}.
 26814 | D:14     | 26814 ||| SWAPPING to +6 heavy broad axe.
 26815 | D:14     | 26815 ||| SWAPPING to +9 broad axe "Kosum" {antimagic,
                  | rC+}.
 26816 | D:14     | 26816 ||| SWAPPING to +6 heavy broad axe.
 26817 | D:14     | 26817 ||| SWAPPING to +9 broad axe "Kosum" {antimagic,
                  | rC+}.
 26818 | D:14     | 26818 ||| SWAPPING to +6 heavy broad axe.
 26819 | D:14     | 26819 ||| SWAPPING to +9 broad axe "Kosum" {antimagic,
                  | rC+}.
 26820 | D:14     | 26820 ||| SWAPPING to +6 heavy broad axe.
 26821 | D:14     | 26821 ||| SWAPPING to +9 broad axe "Kosum" {antimagic,
                  | rC+}.
 26822 | D:14     | 26822 ||| SWAPPING to +6 heavy broad axe.
 26823 | D:14     | 26823 ||| SWAPPING to +9 broad axe "Kosum" {antimagic,
                  | rC+}.
 26824 | D:14     | 26824 ||| SWAPPING to +6 heavy broad axe.
 26825 | D:14     | 26825 ||| SWAPPING to +9 broad axe "Kosum" {antimagic,
                  | rC+}.
 26826 | D:14     | 26826 ||| SWAPPING to +6 heavy broad axe.
 26827 | D:14     | 26827 ||| SWAPPING to +9 broad axe "Kosum" {antimagic,
                  | rC+}.
 26828 | D:14     | 26828 ||| SWAPPING to +6 heavy broad axe.
 26829 | D:14     | 26829 ||| SWAPPING to +9 broad axe "Kosum" {antimagic,
                  | rC+}.
 26830 | D:14     | 26830 ||| SWAPPING to +6 heavy broad axe.
 26831 | D:14     | 26831 ||| SWAPPING to +9 broad axe "Kosum" {antimagic,
                  | rC+}.
 26832 | D:14     | 26832 ||| SWAPPING to +6 heavy broad axe.
 26833 | D:14     | 26833 ||| SWAPPING to +9 broad axe "Kosum" {antimagic,
                  | rC+}.
 26834 | D:14     | 26834 ||| SWAPPING to +6 heavy broad axe.
 26835 | D:14     | 26835 ||| SWAPPING to +9 broad axe "Kosum" {antimagic,
                  | rC+}.
 26836 | D:14     | 26836 ||| SWAPPING to +6 heavy broad axe.
 26837 | D:14     | 26837 ||| SWAPPING to +9 broad axe "Kosum" {antimagic,
                  | rC+}.
 26838 | D:14     | 26838 ||| SWAPPING to +6 heavy broad axe.
 26839 | D:14     | 26839 ||| SWAPPING to +9 broad axe "Kosum" {antimagic,
                  | rC+}.
 26840 | D:14     | 26840 ||| SWAPPING to +6 heavy broad axe.
 26841 | D:14     | 26841 ||| SWAPPING to +9 broad axe "Kosum" {antimagic,
                  | rC+}.
 26842 | D:14     | 26842 ||| SWAPPING to +6 heavy broad axe.
 26843 | D:14     | 26843 ||| SWAPPING to +9 broad axe "Kosum" {antimagic,
                  | rC+}.
 26844 | D:14     | 26844 ||| SWAPPING to +6 heavy broad axe.
 26845 | D:14     | 26845 ||| SWAPPING to +9 broad axe "Kosum" {antimagic,
                  | rC+}.
 26846 | D:14     | 26846 ||| SWAPPING to +6 heavy broad axe.
 26847 | D:14     | 26847 ||| SWAPPING to +9 broad axe "Kosum" {antimagic,
                  | rC+}.
 26848 | D:14     | 26848 ||| SWAPPING to +6 heavy broad axe.
 26849 | D:14     | 26849 ||| SWAPPING to +9 broad axe "Kosum" {antimagic,
                  | rC+}.
 26850 | D:14     | 26850 ||| SWAPPING to +6 heavy broad axe.
 26851 | D:14     | 26851 ||| SWAPPING to +9 broad axe "Kosum" {antimagic,
                  | rC+}.
 26852 | D:14     | 26852 ||| SWAPPING to +6 heavy broad axe.
 26853 | D:14     | 26853 ||| SWAPPING to +9 broad axe "Kosum" {antimagic,
                  | rC+}.
 26854 | D:14     | 26854 ||| SWAPPING to +6 heavy broad axe.
 26855 | D:14     | 26855 ||| SWAPPING to +9 broad axe "Kosum" {antimagic,
                  | rC+}.
 26856 | D:14     | 26856 ||| SWAPPING to +6 heavy broad axe.
 26857 | D:14     | 26857 ||| SWAPPING to +9 broad axe "Kosum" {antimagic,
                  | rC+}.
 26858 | D:14     | 26858 ||| SWAPPING to +6 heavy broad axe.
 26859 | D:14     | 26859 ||| SWAPPING to +9 broad axe "Kosum" {antimagic,
                  | rC+}.
 26860 | D:14     | 26860 ||| SWAPPING to +6 heavy broad axe.
 26861 | D:14     | 26861 ||| SWAPPING to +9 broad axe "Kosum" {antimagic,
                  | rC+}.
 26862 | D:14     | 26862 ||| SWAPPING to +6 heavy broad axe.
 26863 | D:14     | 26863 ||| SWAPPING to +9 broad axe "Kosum" {antimagic,
                  | rC+}.
 26864 | D:14     | 26864 ||| SWAPPING to +6 heavy broad axe.
 26865 | D:14     | 26865 ||| SWAPPING to +9 broad axe "Kosum" {antimagic,
                  | rC+}.
 26866 | D:14     | 26866 ||| SWAPPING to +6 heavy broad axe.
 26867 | D:14     | 26867 ||| SWAPPING to +9 broad axe "Kosum" {antimagic,
                  | rC+}.
 26868 | D:14     | 26868 ||| SWAPPING to +6 heavy broad axe.
 26869 | D:14     | 26869 ||| SWAPPING to +9 broad axe "Kosum" {antimagic,
                  | rC+}.
 26870 | D:14     | 26870 ||| SWAPPING to +6 heavy broad axe.
 26871 | D:14     | 26871 ||| SWAPPING to +9 broad axe "Kosum" {antimagic,
                  | rC+}.
 26872 | D:14     | 26872 ||| SWAPPING to +6 heavy broad axe.
 26873 | D:14     | 26873 ||| SWAPPING to +9 broad axe "Kosum" {antimagic,
                  | rC+}.
 26874 | D:14     | 26874 ||| SWAPPING to +6 heavy broad axe.
 26875 | D:14     | 26875 ||| SWAPPING to +9 broad axe "Kosum" {antimagic,
                  | rC+}.
 26876 | D:14     | 26876 ||| SWAPPING to +6 heavy broad axe.
 26877 | D:14     | 26877 ||| SWAPPING to +9 broad axe "Kosum" {antimagic,
                  | rC+}.
 26878 | D:14     | 26878 ||| SWAPPING to +6 heavy broad axe.
 26879 | D:14     | 26879 ||| SWAPPING to +9 broad axe "Kosum" {antimagic,
                  | rC+}.
 26880 | D:14     | 26880 ||| SWAPPING to +6 heavy broad axe.
 26881 | D:14     | 26881 ||| SWAPPING to +9 broad axe "Kosum" {antimagic,
                  | rC+}.
 26882 | D:14     | 26882 ||| SWAPPING to +6 heavy broad axe.
 26883 | D:14     | 26883 ||| SWAPPING to +9 broad axe "Kosum" {antimagic,
                  | rC+}.
 26884 | D:14     | 26884 ||| SWAPPING to +6 heavy broad axe.
 26885 | D:14     | 26885 ||| SWAPPING to +9 broad axe "Kosum" {antimagic,
                  | rC+}.
 26886 | D:14     | 26886 ||| SWAPPING to +6 heavy broad axe.
 26887 | D:14     | 26887 ||| SWAPPING to +9 broad axe "Kosum" {antimagic,
                  | rC+}.
 26888 | D:14     | 26888 ||| SWAPPING to +6 heavy broad axe.
 26889 | D:14     | 26889 ||| SWAPPING to +9 broad axe "Kosum" {antimagic,
                  | rC+}.
 26890 | D:14     | 26890 ||| SWAPPING to +6 heavy broad axe.
 26891 | D:14     | 26891 ||| SWAPPING to +9 broad axe "Kosum" {antimagic,
                  | rC+}.
 26892 | D:14     | 26892 ||| SWAPPING to +6 heavy broad axe.
 26893 | D:14     | 26893 ||| SWAPPING to +9 broad axe "Kosum" {antimagic,
                  | rC+}.
 26894 | D:14     | 26894 ||| SWAPPING to +6 heavy broad axe.
 26895 | D:14     | 26895 ||| SWAPPING to +9 broad axe "Kosum" {antimagic,
                  | rC+}.
 26896 | D:14     | 26896 ||| SWAPPING to +6 heavy broad axe.
 26897 | D:14     | 26897 ||| SWAPPING to +9 broad axe "Kosum" {antimagic,
                  | rC+}.
 26898 | D:14     | 26898 ||| SWAPPING to +6 heavy broad axe.
 26899 | D:14     | 26899 ||| SWAPPING to +9 broad axe "Kosum" {antimagic,
                  | rC+}.
 26900 | D:14     | 26900 ||| SWAPPING to +6 heavy broad axe.
 26901 | D:14     | 26901 ||| SWAPPING to +9 broad axe "Kosum" {antimagic,
                  | rC+}.
 26902 | D:14     | 26902 ||| SWAPPING to +6 heavy broad axe.
 26903 | D:14     | 26903 ||| SWAPPING to +9 broad axe "Kosum" {antimagic,
                  | rC+}.
 26904 | D:14     | 26904 ||| SWAPPING to +6 heavy broad axe.
 26905 | D:14     | 26905 ||| SWAPPING to +9 broad axe "Kosum" {antimagic,
                  | rC+}.
 26906 | D:14     | 26906 ||| SWAPPING to +6 heavy broad axe.
 26907 | D:14     | 26907 ||| SWAPPING to +9 broad axe "Kosum" {antimagic,
                  | rC+}.
 26908 | D:14     | 26908 ||| SWAPPING to +6 heavy broad axe.
 26909 | D:14     | 26909 ||| SWAPPING to +9 broad axe "Kosum" {antimagic,
                  | rC+}.
 26910 | D:14     | 26910 ||| SWAPPING to +6 heavy broad axe.
 26911 | D:14     | 26911 ||| SWAPPING to +9 broad axe "Kosum" {antimagic,
                  | rC+}.
 26912 | D:14     | 26912 ||| SWAPPING to +6 heavy broad axe.
 26913 | D:14     | 26913 ||| SWAPPING to +9 broad axe "Kosum" {antimagic,
                  | rC+}.
 26914 | D:14     | 26914 ||| SWAPPING to +6 heavy broad axe.
 26915 | D:14     | 26915 ||| SWAPPING to +9 broad axe "Kosum" {antimagic,
                  | rC+}.
 26916 | D:14     | 26916 ||| SWAPPING to +6 heavy broad axe.
 26917 | D:14     | 26917 ||| SWAPPING to +9 broad axe "Kosum" {antimagic,
                  | rC+}.
 26918 | D:14     | 26918 ||| SWAPPING to +6 heavy broad axe.
 26919 | D:14     | 26919 ||| SWAPPING to +9 broad axe "Kosum" {antimagic,
                  | rC+}.
 26920 | D:14     | 26920 ||| SWAPPING to +6 heavy broad axe.
 26921 | D:14     | 26921 ||| SWAPPING to +9 broad axe "Kosum" {antimagic,
                  | rC+}.
 26922 | D:14     | 26922 ||| SWAPPING to +6 heavy broad axe.
 26923 | D:14     | 26923 ||| SWAPPING to +9 broad axe "Kosum" {antimagic,
                  | rC+}.
 26924 | D:14     | 26924 ||| SWAPPING to +6 heavy broad axe.
 26925 | D:14     | 26925 ||| SWAPPING to +9 broad axe "Kosum" {antimagic,
                  | rC+}.
 26926 | D:14     | 26926 ||| SWAPPING to +6 heavy broad axe.
 26927 | D:14     | 26927 ||| SWAPPING to +9 broad axe "Kosum" {antimagic,
                  | rC+}.
 26928 | D:14     | 26928 ||| SWAPPING to +6 heavy broad axe.
 26929 | D:14     | 26929 ||| SWAPPING to +9 broad axe "Kosum" {antimagic,
                  | rC+}.
 26930 | D:14     | 26930 ||| SWAPPING to +6 heavy broad axe.
 26931 | D:14     | 26931 ||| SWAPPING to +9 broad axe "Kosum" {antimagic,
                  | rC+}.
 26932 | D:14     | 26932 ||| SWAPPING to +6 heavy broad axe.
 26933 | D:14     | 26933 ||| SWAPPING to +9 broad axe "Kosum" {antimagic,
                  | rC+}.
 26934 | D:14     | 26934 ||| SWAPPING to +6 heavy broad axe.
 26935 | D:14     | 26935 ||| SWAPPING to +9 broad axe "Kosum" {antimagic,
                  | rC+}.
 26936 | D:14     | 26936 ||| SWAPPING to +6 heavy broad axe.
 26937 | D:14     | 26937 ||| SWAPPING to +9 broad axe "Kosum" {antimagic,
                  | rC+}.
 26938 | D:14     | 26938 ||| SWAPPING to +6 heavy broad axe.
 26939 | D:14     | 26939 ||| SWAPPING to +9 broad axe "Kosum" {antimagic,
                  | rC+}.
 26940 | D:14     | 26940 ||| SWAPPING to +6 heavy broad axe.
 26941 | D:14     | 26941 ||| SWAPPING to +9 broad axe "Kosum" {antimagic,
                  | rC+}.
 26942 | D:14     | 26942 ||| SWAPPING to +6 heavy broad axe.
 26943 | D:14     | 26943 ||| SWAPPING to +9 broad axe "Kosum" {antimagic,
                  | rC+}.
 26944 | D:14     | 26944 ||| SWAPPING to +6 heavy broad axe.
 26945 | D:14     | 26945 ||| SWAPPING to +9 broad axe "Kosum" {antimagic,
                  | rC+}.
 26946 | D:14     | 26946 ||| SWAPPING to +6 heavy broad axe.
 26947 | D:14     | 26947 ||| SWAPPING to +9 broad axe "Kosum" {antimagic,
                  | rC+}.
 26948 | D:14     | 26948 ||| SWAPPING to +6 heavy broad axe.
 26949 | D:14     | 26949 ||| SWAPPING to +9 broad axe "Kosum" {antimagic,
                  | rC+}.
 26950 | D:14     | 26950 ||| SWAPPING to +6 heavy broad axe.
 26951 | D:14     | 26951 ||| SWAPPING to +9 broad axe "Kosum" {antimagic,
                  | rC+}.
 26952 | D:14     | 26952 ||| SWAPPING to +6 heavy broad axe.
 26953 | D:14     | 26953 ||| SWAPPING to +9 broad axe "Kosum" {antimagic,
                  | rC+}.
 26954 | D:14     | 26954 ||| SWAPPING to +6 heavy broad axe.
 26955 | D:14     | 26955 ||| SWAPPING to +9 broad axe "Kosum" {antimagic,
                  | rC+}.
 26956 | D:14     | 26956 ||| SWAPPING to +6 heavy broad axe.
 26957 | D:14     | 26957 ||| SWAPPING to +9 broad axe "Kosum" {antimagic,
                  | rC+}.
 26958 | D:14     | 26958 ||| SWAPPING to +6 heavy broad axe.
 26959 | D:14     | 26959 ||| SWAPPING to +9 broad axe "Kosum" {antimagic,
                  | rC+}.
 26960 | D:14     | 26960 ||| SWAPPING to +6 heavy broad axe.
 26961 | D:14     | 26961 ||| SWAPPING to +9 broad axe "Kosum" {antimagic,
                  | rC+}.
 26962 | D:14     | 26962 ||| SWAPPING to +6 heavy broad axe.
 26963 | D:14     | 26963 ||| SWAPPING to +9 broad axe "Kosum" {antimagic,
                  | rC+}.
 26964 | D:14     | 26964 ||| SWAPPING to +6 heavy broad axe.
 26965 | D:14     | 26965 ||| SWAPPING to +9 broad axe "Kosum" {antimagic,
                  | rC+}.
 26966 | D:14     | 26966 ||| SWAPPING to +6 heavy broad axe.
 26967 | D:14     | 26967 ||| SWAPPING to +9 broad axe "Kosum" {antimagic,
                  | rC+}.
 26968 | D:14     | 26968 ||| SWAPPING to +6 heavy broad axe.
 26969 | D:14     | 26969 ||| SWAPPING to +9 broad axe "Kosum" {antimagic,
                  | rC+}.
 26970 | D:14     | 26970 ||| SWAPPING to +6 heavy broad axe.
 26971 | D:14     | 26971 ||| SWAPPING to +9 broad axe "Kosum" {antimagic,
                  | rC+}.
 26972 | D:14     | 26972 ||| SWAPPING to +6 heavy broad axe.
 26973 | D:14     | 26973 ||| SWAPPING to +9 broad axe "Kosum" {antimagic,
                  | rC+}.
 26974 | D:14     | 26974 ||| SWAPPING to +6 heavy broad axe.
 26975 | D:14     | 26975 ||| SWAPPING to +9 broad axe "Kosum" {antimagic,
                  | rC+}.
 26976 | D:14     | 26976 ||| SWAPPING to +6 heavy broad axe.
 26977 | D:14     | 26977 ||| SWAPPING to +9 broad axe "Kosum" {antimagic,
                  | rC+}.
 26978 | D:14     | 26978 ||| SWAPPING to +6 heavy broad axe.
 26979 | D:14     | 26979 ||| SWAPPING to +9 broad axe "Kosum" {antimagic,
                  | rC+}.
 26980 | D:14     | 26980 ||| SWAPPING to +6 heavy broad axe.
 26981 | D:14     | 26981 ||| SWAPPING to +9 broad axe "Kosum" {antimagic,
                  | rC+}.
 26982 | D:14     | 26982 ||| SWAPPING to +6 heavy broad axe.
 26983 | D:14     | 26983 ||| SWAPPING to +9 broad axe "Kosum" {antimagic,
                  | rC+}.
 26984 | D:14     | 26984 ||| SWAPPING to +6 heavy broad axe.
 26985 | D:14     | 26985 ||| SWAPPING to +9 broad axe "Kosum" {antimagic,
                  | rC+}.
 26986 | D:14     | 26986 ||| SWAPPING to +6 heavy broad axe.
 26987 | D:14     | 26987 ||| SWAPPING to +9 broad axe "Kosum" {antimagic,
                  | rC+}.
 26988 | D:14     | 26988 ||| SWAPPING to +6 heavy broad axe.
 26989 | D:14     | 26989 ||| SWAPPING to +9 broad axe "Kosum" {antimagic,
                  | rC+}.
 26990 | D:14     | 26990 ||| SWAPPING to +6 heavy broad axe.
 26991 | D:14     | 26991 ||| SWAPPING to +9 broad axe "Kosum" {antimagic,
                  | rC+}.
 26992 | D:14     | 26992 ||| SWAPPING to +6 heavy broad axe.
 26993 | D:14     | 26993 ||| SWAPPING to +9 broad axe "Kosum" {antimagic,
                  | rC+}.
 26994 | D:14     | 26994 ||| SWAPPING to +6 heavy broad axe.
 26995 | D:14     | 26995 ||| SWAPPING to +9 broad axe "Kosum" {antimagic,
                  | rC+}.
 26996 | D:14     | 26996 ||| SWAPPING to +6 heavy broad axe.
 26997 | D:14     | 26997 ||| SWAPPING to +9 broad axe "Kosum" {antimagic,
                  | rC+}.
 26998 | D:14     | 26998 ||| SWAPPING to +6 heavy broad axe.
 26999 | D:14     | 26999 ||| SWAPPING to +9 broad axe "Kosum" {antimagic,
                  | rC+}.
 27000 | D:14     | 27000 ||| SWAPPING to +6 heavy broad axe.
 27001 | D:14     | 27001 ||| SWAPPING to +9 broad axe "Kosum" {antimagic,
                  | rC+}.
 27002 | D:14     | 27002 ||| SWAPPING to +6 heavy broad axe.
 27003 | D:14     | 27003 ||| SWAPPING to +9 broad axe "Kosum" {antimagic,
                  | rC+}.
 27004 | D:14     | 27004 ||| SWAPPING to +6 heavy broad axe.
 27005 | D:14     | 27005 ||| SWAPPING to +9 broad axe "Kosum" {antimagic,
                  | rC+}.
 27006 | D:14     | 27006 ||| SWAPPING to +6 heavy broad axe.
 27007 | D:14     | 27007 ||| SWAPPING to +9 broad axe "Kosum" {antimagic,
                  | rC+}.
 27008 | D:14     | 27008 ||| SWAPPING to +6 heavy broad axe.
 27009 | D:14     | 27009 ||| SWAPPING to +9 broad axe "Kosum" {antimagic,
                  | rC+}.
 27010 | D:14     | 27010 ||| SWAPPING to +6 heavy broad axe.
 27011 | D:14     | 27011 ||| SWAPPING to +9 broad axe "Kosum" {antimagic,
                  | rC+}.
 27012 | D:14     | 27012 ||| SWAPPING to +6 heavy broad axe.
 27013 | D:14     | 27013 ||| SWAPPING to +9 broad axe "Kosum" {antimagic,
                  | rC+}.
 27014 | D:14     | 27014 ||| SWAPPING to +6 heavy broad axe.
 27015 | D:14     | 27015 ||| SWAPPING to +9 broad axe "Kosum" {antimagic,
                  | rC+}.
 27016 | D:14     | 27016 ||| SWAPPING to +6 heavy broad axe.
 27017 | D:14     | 27017 ||| SWAPPING to +9 broad axe "Kosum" {antimagic,
                  | rC+}.
 27018 | D:14     | 27018 ||| SWAPPING to +6 heavy broad axe.
 27019 | D:14     | 27019 ||| SWAPPING to +9 broad axe "Kosum" {antimagic,
                  | rC+}.
 27020 | D:14     | 27020 ||| SWAPPING to +6 heavy broad axe.
 27021 | D:14     | 27021 ||| SWAPPING to +9 broad axe "Kosum" {antimagic,
                  | rC+}.
 27022 | D:14     | 27022 ||| SWAPPING to +6 heavy broad axe.
 27023 | D:14     | 27023 ||| SWAPPING to +9 broad axe "Kosum" {antimagic,
                  | rC+}.
 27024 | D:14     | 27024 ||| SWAPPING to +6 heavy broad axe.
 27025 | D:14     | 27025 ||| SWAPPING to +9 broad axe "Kosum" {antimagic,
                  | rC+}.
 27026 | D:14     | 27026 ||| SWAPPING to +6 heavy broad axe.
 27027 | D:14     | 27027 ||| SWAPPING to +9 broad axe "Kosum" {antimagic,
                  | rC+}.
 27028 | D:14     | 27028 ||| SWAPPING to +6 heavy broad axe.
 27029 | D:14     | 27029 ||| SWAPPING to +9 broad axe "Kosum" {antimagic,
                  | rC+}.
 27030 | D:14     | 27030 ||| SWAPPING to +6 heavy broad axe.
 27031 | D:14     | 27031 ||| SWAPPING to +9 broad axe "Kosum" {antimagic,
                  | rC+}.
 27032 | D:14     | 27032 ||| SWAPPING to +6 heavy broad axe.
 27033 | D:14     | 27033 ||| SWAPPING to +9 broad axe "Kosum" {antimagic,
                  | rC+}.
 27034 | D:14     | 27034 ||| SWAPPING to +6 heavy broad axe.
 27035 | D:14     | 27035 ||| SWAPPING to +9 broad axe "Kosum" {antimagic,
                  | rC+}.
 27036 | D:14     | 27036 ||| SWAPPING to +6 heavy broad axe.
 27037 | D:14     | 27037 ||| SWAPPING to +9 broad axe "Kosum" {antimagic,
                  | rC+}.
 27038 | D:14     | 27038 ||| SWAPPING to +6 heavy broad axe.
 27039 | D:14     | 27039 ||| SWAPPING to +9 broad axe "Kosum" {antimagic,
                  | rC+}.
 27040 | D:14     | 27040 ||| SWAPPING to +6 heavy broad axe.
 27041 | D:14     | 27041 ||| SWAPPING to +9 broad axe "Kosum" {antimagic,
                  | rC+}.
 27042 | D:14     | 27042 ||| SWAPPING to +6 heavy broad axe.
 27043 | D:14     | 27043 ||| SWAPPING to +9 broad axe "Kosum" {antimagic,
                  | rC+}.
 27044 | D:14     | 27044 ||| SWAPPING to +6 heavy broad axe.
 27045 | D:14     | 27045 ||| SWAPPING to +9 broad axe "Kosum" {antimagic,
                  | rC+}.
 27046 | D:14     | 27046 ||| SWAPPING to +6 heavy broad axe.
 27047 | D:14     | 27047 ||| SWAPPING to +9 broad axe "Kosum" {antimagic,
                  | rC+}.
 27048 | D:14     | 27048 ||| SWAPPING to +6 heavy broad axe.
 27049 | D:14     | 27049 ||| SWAPPING to +9 broad axe "Kosum" {antimagic,
                  | rC+}.
 27050 | D:14     | 27050 ||| SWAPPING to +6 heavy broad axe.
 27051 | D:14     | 27051 ||| SWAPPING to +9 broad axe "Kosum" {antimagic,
                  | rC+}.
 27052 | D:14     | 27052 ||| SWAPPING to +6 heavy broad axe.
 27053 | D:14     | 27053 ||| SWAPPING to +9 broad axe "Kosum" {antimagic,
                  | rC+}.
 27054 | D:14     | 27054 ||| SWAPPING to +6 heavy broad axe.
 27055 | D:14     | 27055 ||| SWAPPING to +9 broad axe "Kosum" {antimagic,
                  | rC+}.
 27056 | D:14     | 27056 ||| SWAPPING to +6 heavy broad axe.
 27057 | D:14     | 27057 ||| SWAPPING to +9 broad axe "Kosum" {antimagic,
                  | rC+}.
 27058 | D:14     | 27058 ||| SWAPPING to +6 heavy broad axe.
 27059 | D:14     | 27059 ||| SWAPPING to +9 broad axe "Kosum" {antimagic,
                  | rC+}.
 27060 | D:14     | 27060 ||| SWAPPING to +6 heavy broad axe.
 27061 | D:14     | 27061 ||| SWAPPING to +9 broad axe "Kosum" {antimagic,
                  | rC+}.
 27062 | D:14     | 27062 ||| SWAPPING to +6 heavy broad axe.
 27063 | D:14     | 27063 ||| SWAPPING to +9 broad axe "Kosum" {antimagic,
                  | rC+}.
 27064 | D:14     | 27064 ||| SWAPPING to +6 heavy broad axe.
 27065 | D:14     | 27065 ||| SWAPPING to +9 broad axe "Kosum" {antimagic,
                  | rC+}.
 27066 | D:14     | 27066 ||| SWAPPING to +6 heavy broad axe.
 27067 | D:14     | 27067 ||| SWAPPING to +9 broad axe "Kosum" {antimagic,
                  | rC+}.
 27068 | D:14     | 27068 ||| SWAPPING to +6 heavy broad axe.
 27069 | D:14     | 27069 ||| SWAPPING to +9 broad axe "Kosum" {antimagic,
                  | rC+}.
 27070 | D:14     | 27070 ||| SWAPPING to +6 heavy broad axe.
 27071 | D:14     | 27071 ||| SWAPPING to +9 broad axe "Kosum" {antimagic,
                  | rC+}.
 27072 | D:14     | 27072 ||| SWAPPING to +6 heavy broad axe.
 27073 | D:14     | 27073 ||| SWAPPING to +9 broad axe "Kosum" {antimagic,
                  | rC+}.
 27074 | D:14     | 27074 ||| SWAPPING to +6 heavy broad axe.
 27075 | D:14     | 27075 ||| SWAPPING to +9 broad axe "Kosum" {antimagic,
                  | rC+}.
 27076 | D:14     | 27076 ||| SWAPPING to +6 heavy broad axe.
 27077 | D:14     | 27077 ||| SWAPPING to +9 broad axe "Kosum" {antimagic,
                  | rC+}.
 27078 | D:14     | 27078 ||| SWAPPING to +6 heavy broad axe.
 27079 | D:14     | 27079 ||| SWAPPING to +9 broad axe "Kosum" {antimagic,
                  | rC+}.
 27080 | D:14     | 27080 ||| SWAPPING to +6 heavy broad axe.
 27081 | D:14     | 27081 ||| SWAPPING to +9 broad axe "Kosum" {antimagic,
                  | rC+}.
 27082 | D:14     | 27082 ||| SWAPPING to +6 heavy broad axe.
 27083 | D:14     | 27083 ||| SWAPPING to +9 broad axe "Kosum" {antimagic,
                  | rC+}.
 27084 | D:14     | 27084 ||| SWAPPING to +6 heavy broad axe.
 27085 | D:14     | 27085 ||| SWAPPING to +9 broad axe "Kosum" {antimagic,
                  | rC+}.
 27086 | D:14     | 27086 ||| SWAPPING to +6 heavy broad axe.
 27087 | D:14     | 27087 ||| SWAPPING to +9 broad axe "Kosum" {antimagic,
                  | rC+}.
 27088 | D:14     | 27088 ||| SWAPPING to +6 heavy broad axe.
 27089 | D:14     | 27089 ||| SWAPPING to +9 broad axe "Kosum" {antimagic,
                  | rC+}.
 27090 | D:14     | 27090 ||| SWAPPING to +6 heavy broad axe.
 27091 | D:14     | 27091 ||| SWAPPING to +9 broad axe "Kosum" {antimagic,
                  | rC+}.
 27092 | D:14     | 27092 ||| SWAPPING to +6 heavy broad axe.
 27093 | D:14     | 27093 ||| SWAPPING to +9 broad axe "Kosum" {antimagic,
                  | rC+}.
 27094 | D:14     | 27094 ||| SWAPPING to +6 heavy broad axe.
 27095 | D:14     | 27095 ||| SWAPPING to +9 broad axe "Kosum" {antimagic,
                  | rC+}.
 27096 | D:14     | 27096 ||| SWAPPING to +6 heavy broad axe.
 27097 | D:14     | 27097 ||| SWAPPING to +9 broad axe "Kosum" {antimagic,
                  | rC+}.
 27098 | D:14     | 27098 ||| SWAPPING to +6 heavy broad axe.
 27099 | D:14     | 27099 ||| SWAPPING to +9 broad axe "Kosum" {antimagic,
                  | rC+}.
 27100 | D:14     | 27100 ||| SWAPPING to +6 heavy broad axe.
 27101 | D:14     | 27101 ||| SWAPPING to +9 broad axe "Kosum" {antimagic,
                  | rC+}.
 27102 | D:14     | 27102 ||| SWAPPING to +6 heavy broad axe.
 27103 | D:14     | 27103 ||| SWAPPING to +9 broad axe "Kosum" {antimagic,
                  | rC+}.
 27104 | D:14     | 27104 ||| SWAPPING to +6 heavy broad axe.
 27105 | D:14     | 27105 ||| SWAPPING to +9 broad axe "Kosum" {antimagic,
                  | rC+}.
 27106 | D:14     | 27106 ||| SWAPPING to +6 heavy broad axe.
 27107 | D:14     | 27107 ||| SWAPPING to +9 broad axe "Kosum" {antimagic,
                  | rC+}.
 27108 | D:14     | 27108 ||| SWAPPING to +6 heavy broad axe.
 27109 | D:14     | 27109 ||| SWAPPING to +9 broad axe "Kosum" {antimagic,
                  | rC+}.
 27110 | D:14     | 27110 ||| SWAPPING to +6 heavy broad axe.
 27111 | D:14     | 27111 ||| SWAPPING to +9 broad axe "Kosum" {antimagic,
                  | rC+}.
 27112 | D:14     | 27112 ||| SWAPPING to +6 heavy broad axe.
 27113 | D:14     | 27113 ||| SWAPPING to +9 broad axe "Kosum" {antimagic,
                  | rC+}.
 27114 | D:14     | 27114 ||| SWAPPING to +6 heavy broad axe.
 27115 | D:14     | 27115 ||| SWAPPING to +9 broad axe "Kosum" {antimagic,
                  | rC+}.
 27116 | D:14     | 27116 ||| SWAPPING to +6 heavy broad axe.
 27117 | D:14     | 27117 ||| SWAPPING to +9 broad axe "Kosum" {antimagic,
                  | rC+}.
 27118 | D:14     | 27118 ||| SWAPPING to +6 heavy broad axe.
 27119 | D:14     | 27119 ||| SWAPPING to +9 broad axe "Kosum" {antimagic,
                  | rC+}.
 27120 | D:14     | 27120 ||| SWAPPING to +6 heavy broad axe.
 27121 | D:14     | 27121 ||| SWAPPING to +9 broad axe "Kosum" {antimagic,
                  | rC+}.
 27122 | D:14     | 27122 ||| SWAPPING to +6 heavy broad axe.
 27123 | D:14     | 27123 ||| SWAPPING to +9 broad axe "Kosum" {antimagic,
                  | rC+}.
 27124 | D:14     | 27124 ||| SWAPPING to +6 heavy broad axe.
 27125 | D:14     | 27125 ||| SWAPPING to +9 broad axe "Kosum" {antimagic,
                  | rC+}.
 27126 | D:14     | 27126 ||| SWAPPING to +6 heavy broad axe.
 27127 | D:14     | 27127 ||| SWAPPING to +9 broad axe "Kosum" {antimagic,
                  | rC+}.
 27128 | D:14     | 27128 ||| SWAPPING to +6 heavy broad axe.
 27129 | D:14     | 27129 ||| SWAPPING to +9 broad axe "Kosum" {antimagic,
                  | rC+}.
 27130 | D:14     | 27130 ||| SWAPPING to +6 heavy broad axe.
 27131 | D:14     | 27131 ||| SWAPPING to +9 broad axe "Kosum" {antimagic,
                  | rC+}.
 27132 | D:14     | 27132 ||| SWAPPING to +6 heavy broad axe.
 27133 | D:14     | 27133 ||| SWAPPING to +9 broad axe "Kosum" {antimagic,
                  | rC+}.
 27134 | D:14     | 27134 ||| SWAPPING to +6 heavy broad axe.
 27135 | D:14     | 27135 ||| SWAPPING to +9 broad axe "Kosum" {antimagic,
                  | rC+}.
 27136 | D:14     | 27136 ||| SWAPPING to +6 heavy broad axe.
 27137 | D:14     | 27137 ||| SWAPPING to +9 broad axe "Kosum" {antimagic,
                  | rC+}.
 27138 | D:14     | 27138 ||| SWAPPING to +6 heavy broad axe.
 27139 | D:14     | 27139 ||| SWAPPING to +9 broad axe "Kosum" {antimagic,
                  | rC+}.
 27140 | D:14     | 27140 ||| SWAPPING to +6 heavy broad axe.
 27141 | D:14     | 27141 ||| SWAPPING to +9 broad axe "Kosum" {antimagic,
                  | rC+}.
 27142 | D:14     | 27142 ||| SWAPPING to +6 heavy broad axe.
 27143 | D:14     | 27143 ||| SWAPPING to +9 broad axe "Kosum" {antimagic,
                  | rC+}.
 27144 | D:14     | 27144 ||| SWAPPING to +6 heavy broad axe.
 27145 | D:14     | 27145 ||| SWAPPING to +9 broad axe "Kosum" {antimagic,
                  | rC+}.
 27146 | D:14     | 27146 ||| SWAPPING to +6 heavy broad axe.
 27147 | D:14     | 27147 ||| SWAPPING to +9 broad axe "Kosum" {antimagic,
                  | rC+}.
 27148 | D:14     | 27148 ||| SWAPPING to +6 heavy broad axe.
 27149 | D:14     | 27149 ||| SWAPPING to +9 broad axe "Kosum" {antimagic,
                  | rC+}.
 27150 | D:14     | 27150 ||| SWAPPING to +6 heavy broad axe.
 27151 | D:14     | 27151 ||| SWAPPING to +9 broad axe "Kosum" {antimagic,
                  | rC+}.
 27152 | D:14     | 27152 ||| SWAPPING to +6 heavy broad axe.
 27153 | D:14     | 27153 ||| SWAPPING to +9 broad axe "Kosum" {antimagic,
                  | rC+}.
 27154 | D:14     | 27154 ||| SWAPPING to +6 heavy broad axe.
 27155 | D:14     | 27155 ||| SWAPPING to +9 broad axe "Kosum" {antimagic,
                  | rC+}.
 27156 | D:14     | 27156 ||| SWAPPING to +6 heavy broad axe.
 27157 | D:14     | 27157 ||| SWAPPING to +9 broad axe "Kosum" {antimagic,
                  | rC+}.
 27158 | D:14     | 27158 ||| SWAPPING to +6 heavy broad axe.
 27159 | D:14     | 27159 ||| SWAPPING to +9 broad axe "Kosum" {antimagic,
                  | rC+}.
 27160 | D:14     | 27160 ||| SWAPPING to +6 heavy broad axe.
 27161 | D:14     | 27161 ||| SWAPPING to +9 broad axe "Kosum" {antimagic,
                  | rC+}.
 27162 | D:14     | 27162 ||| SWAPPING to +6 heavy broad axe.
 27163 | D:14     | 27163 ||| SWAPPING to +9 broad axe "Kosum" {antimagic,
                  | rC+}.
 27164 | D:14     | 27164 ||| SWAPPING to +6 heavy broad axe.
 27165 | D:14     | 27165 ||| SWAPPING to +9 broad axe "Kosum" {antimagic,
                  | rC+}.
 27166 | D:14     | 27166 ||| SWAPPING to +6 heavy broad axe.
 27167 | D:14     | 27167 ||| SWAPPING to +9 broad axe "Kosum" {antimagic,
                  | rC+}.
 27168 | D:14     | 27168 ||| SWAPPING to +6 heavy broad axe.
 27169 | D:14     | 27169 ||| SWAPPING to +9 broad axe "Kosum" {antimagic,
                  | rC+}.
 27170 | D:14     | 27170 ||| SWAPPING to +6 heavy broad axe.
 27171 | D:14     | 27171 ||| SWAPPING to +9 broad axe "Kosum" {antimagic,
                  | rC+}.
 27172 | D:14     | 27172 ||| SWAPPING to +6 heavy broad axe.
 27173 | D:14     | 27173 ||| SWAPPING to +9 broad axe "Kosum" {antimagic,
                  | rC+}.
 27174 | D:14     | 27174 ||| SWAPPING to +6 heavy broad axe.
 27175 | D:14     | 27175 ||| SWAPPING to +9 broad axe "Kosum" {antimagic,
                  | rC+}.
 27176 | D:14     | 27176 ||| SWAPPING to +6 heavy broad axe.
 27177 | D:14     | 27177 ||| SWAPPING to +9 broad axe "Kosum" {antimagic,
                  | rC+}.
 27178 | D:14     | 27178 ||| SWAPPING to +6 heavy broad axe.
 27179 | D:14     | 27179 ||| SWAPPING to +9 broad axe "Kosum" {antimagic,
                  | rC+}.
 27180 | D:14     | 27180 ||| SWAPPING to +6 heavy broad axe.
 27181 | D:14     | 27181 ||| SWAPPING to +9 broad axe "Kosum" {antimagic,
                  | rC+}.
 27182 | D:14     | 27182 ||| SWAPPING to +6 heavy broad axe.
 27183 | D:14     | 27183 ||| SWAPPING to +9 broad axe "Kosum" {antimagic,
                  | rC+}.
 27184 | D:14     | 27184 ||| SWAPPING to +6 heavy broad axe.
 27185 | D:14     | 27185 ||| SWAPPING to +9 broad axe "Kosum" {antimagic,
                  | rC+}.
 27186 | D:14     | 27186 ||| SWAPPING to +6 heavy broad axe.
 27187 | D:14     | 27187 ||| SWAPPING to +9 broad axe "Kosum" {antimagic,
                  | rC+}.
 27188 | D:14     | 27188 ||| SWAPPING to +6 heavy broad axe.
 27189 | D:14     | 27189 ||| SWAPPING to +9 broad axe "Kosum" {antimagic,
                  | rC+}.
 27190 | D:14     | 27190 ||| SWAPPING to +6 heavy broad axe.
 27191 | D:14     | 27191 ||| SWAPPING to +9 broad axe "Kosum" {antimagic,
                  | rC+}.
 27192 | D:14     | 27192 ||| SWAPPING to +6 heavy broad axe.
 27193 | D:14     | 27193 ||| SWAPPING to +9 broad axe "Kosum" {antimagic,
                  | rC+}.
 27194 | D:14     | 27194 ||| SWAPPING to +6 heavy broad axe.
 27195 | D:14     | 27195 ||| SWAPPING to +9 broad axe "Kosum" {antimagic,
                  | rC+}.
 27196 | D:14     | 27196 ||| SWAPPING to +6 heavy broad axe.
 27197 | D:14     | 27197 ||| SWAPPING to +9 broad axe "Kosum" {antimagic,
                  | rC+}.
 27198 | D:14     | 27198 ||| SWAPPING to +6 heavy broad axe.
 27199 | D:14     | 27199 ||| SWAPPING to +9 broad axe "Kosum" {antimagic,
                  | rC+}.
 27200 | D:14     | 27200 ||| SWAPPING to +6 heavy broad axe.
 27201 | D:14     | 27201 ||| SWAPPING to +9 broad axe "Kosum" {antimagic,
                  | rC+}.
 27202 | D:14     | 27202 ||| SWAPPING to +6 heavy broad axe.
 27203 | D:14     | 27203 ||| SWAPPING to +9 broad axe "Kosum" {antimagic,
                  | rC+}.
 27204 | D:14     | 27204 ||| SWAPPING to +6 heavy broad axe.
 27205 | D:14     | 27205 ||| SWAPPING to +9 broad axe "Kosum" {antimagic,
                  | rC+}.
 27206 | D:14     | 27206 ||| SWAPPING to +6 heavy broad axe.
 27207 | D:14     | 27207 ||| SWAPPING to +9 broad axe "Kosum" {antimagic,
                  | rC+}.
 27208 | D:14     | 27208 ||| SWAPPING to +6 heavy broad axe.
 27209 | D:14     | 27209 ||| SWAPPING to +9 broad axe "Kosum" {antimagic,
                  | rC+}.
 27210 | D:14     | 27210 ||| SWAPPING to +6 heavy broad axe.
 27211 | D:14     | 27211 ||| SWAPPING to +9 broad axe "Kosum" {antimagic,
                  | rC+}.
 27212 | D:14     | 27212 ||| SWAPPING to +6 heavy broad axe.
 27213 | D:14     | 27213 ||| SWAPPING to +9 broad axe "Kosum" {antimagic,
                  | rC+}.
 27214 | D:14     | 27214 ||| SWAPPING to +6 heavy broad axe.
 27215 | D:14     | 27215 ||| SWAPPING to +9 broad axe "Kosum" {antimagic,
                  | rC+}.
 27216 | D:14     | 27216 ||| SWAPPING to +6 heavy broad axe.
 27217 | D:14     | 27217 ||| SWAPPING to +9 broad axe "Kosum" {antimagic,
                  | rC+}.
 27218 | D:14     | 27218 ||| SWAPPING to +6 heavy broad axe.
 27219 | D:14     | 27219 ||| SWAPPING to +9 broad axe "Kosum" {antimagic,
                  | rC+}.
 27220 | D:14     | 27220 ||| SWAPPING to +6 heavy broad axe.
 27221 | D:14     | 27221 ||| SWAPPING to +9 broad axe "Kosum" {antimagic,
                  | rC+}.
 27222 | D:14     | 27222 ||| SWAPPING to +6 heavy broad axe.
 27223 | D:14     | 27223 ||| SWAPPING to +9 broad axe "Kosum" {antimagic,
                  | rC+}.
 27224 | D:14     | 27224 ||| SWAPPING to +6 heavy broad axe.
 27225 | D:14     | 27225 ||| SWAPPING to +9 broad axe "Kosum" {antimagic,
                  | rC+}.
 27226 | D:14     | 27226 ||| SWAPPING to +6 heavy broad axe.
 27227 | D:14     | 27227 ||| SWAPPING to +9 broad axe "Kosum" {antimagic,
                  | rC+}.
 27228 | D:14     | 27228 ||| SWAPPING to +6 heavy broad axe.
 27229 | D:14     | 27229 ||| SWAPPING to +9 broad axe "Kosum" {antimagic,
                  | rC+}.
 27230 | D:14     | 27230 ||| SWAPPING to +6 heavy broad axe.
 27231 | D:14     | 27231 ||| SWAPPING to +9 broad axe "Kosum" {antimagic,
                  | rC+}.
 27232 | D:14     | 27232 ||| SWAPPING to +6 heavy broad axe.
 27233 | D:14     | 27233 ||| SWAPPING to +9 broad axe "Kosum" {antimagic,
                  | rC+}.
 27234 | D:14     | 27234 ||| SWAPPING to +6 heavy broad axe.
 27235 | D:14     | 27235 ||| SWAPPING to +9 broad axe "Kosum" {antimagic,
                  | rC+}.
 27236 | D:14     | 27236 ||| SWAPPING to +6 heavy broad axe.
 27237 | D:14     | 27237 ||| SWAPPING to +9 broad axe "Kosum" {antimagic,
                  | rC+}.
 27238 | D:14     | 27238 ||| SWAPPING to +6 heavy broad axe.
 27239 | D:14     | 27239 ||| SWAPPING to +9 broad axe "Kosum" {antimagic,
                  | rC+}.
 27240 | D:14     | 27240 ||| SWAPPING to +6 heavy broad axe.
 27241 | D:14     | 27241 ||| SWAPPING to +9 broad axe "Kosum" {antimagic,
                  | rC+}.
 27242 | D:14     | 27242 ||| SWAPPING to +6 heavy broad axe.
 27243 | D:14     | 27243 ||| SWAPPING to +9 broad axe "Kosum" {antimagic,
                  | rC+}.
 27244 | D:14     | 27244 ||| SWAPPING to +6 heavy broad axe.
 27245 | D:14     | 27245 ||| SWAPPING to +9 broad axe "Kosum" {antimagic,
                  | rC+}.
 27246 | D:14     | 27246 ||| SWAPPING to +6 heavy broad axe.
 27247 | D:14     | 27247 ||| SWAPPING to +9 broad axe "Kosum" {antimagic,
                  | rC+}.
 27248 | D:14     | 27248 ||| SWAPPING to +6 heavy broad axe.
 27249 | D:14     | 27249 ||| SWAPPING to +9 broad axe "Kosum" {antimagic,
                  | rC+}.
 27250 | D:14     | 27250 ||| SWAPPING to +6 heavy broad axe.
 27251 | D:14     | 27251 ||| SWAPPING to +9 broad axe "Kosum" {antimagic,
                  | rC+}.
 27252 | D:14     | 27252 ||| SWAPPING to +6 heavy broad axe.
 27253 | D:14     | 27253 ||| SWAPPING to +9 broad axe "Kosum" {antimagic,
                  | rC+}.
 27254 | D:14     | 27254 ||| SWAPPING to +6 heavy broad axe.
 27255 | D:14     | 27255 ||| SWAPPING to +9 broad axe "Kosum" {antimagic,
                  | rC+}.
 27256 | D:14     | 27256 ||| SWAPPING to +6 heavy broad axe.
 27257 | D:14     | 27257 ||| SWAPPING to +9 broad axe "Kosum" {antimagic,
                  | rC+}.
 27258 | D:14     | 27258 ||| SWAPPING to +6 heavy broad axe.
 27259 | D:14     | 27259 ||| SWAPPING to +9 broad axe "Kosum" {antimagic,
                  | rC+}.
 27260 | D:14     | 27260 ||| SWAPPING to +6 heavy broad axe.
 27261 | D:14     | 27261 ||| SWAPPING to +9 broad axe "Kosum" {antimagic,
                  | rC+}.
 27262 | D:14     | 27262 ||| SWAPPING to +6 heavy broad axe.
 27263 | D:14     | 27263 ||| SWAPPING to +9 broad axe "Kosum" {antimagic,
                  | rC+}.
 27264 | D:14     | 27264 ||| SWAPPING to +6 heavy broad axe.
 27265 | D:14     | 27265 ||| SWAPPING to +9 broad axe "Kosum" {antimagic,
                  | rC+}.
 27266 | D:14     | 27266 ||| SWAPPING to +6 heavy broad axe.
 27267 | D:14     | 27267 ||| SWAPPING to +9 broad axe "Kosum" {antimagic,
                  | rC+}.
 27268 | D:14     | 27268 ||| SWAPPING to +6 heavy broad axe.
 27269 | D:14     | 27269 ||| SWAPPING to +9 broad axe "Kosum" {antimagic,
                  | rC+}.
 27270 | D:14     | 27270 ||| SWAPPING to +6 heavy broad axe.
 27271 | D:14     | 27271 ||| SWAPPING to +9 broad axe "Kosum" {antimagic,
                  | rC+}.
 27272 | D:14     | 27272 ||| SWAPPING to +6 heavy broad axe.
 27273 | D:14     | 27273 ||| SWAPPING to +9 broad axe "Kosum" {antimagic,
                  | rC+}.
 27274 | D:14     | 27274 ||| SWAPPING to +6 heavy broad axe.
 27275 | D:14     | 27275 ||| SWAPPING to +9 broad axe "Kosum" {antimagic,
                  | rC+}.
 27276 | D:14     | 27276 ||| SWAPPING to +6 heavy broad axe.
 27277 | D:14     | 27277 ||| SWAPPING to +9 broad axe "Kosum" {antimagic,
                  | rC+}.
 27278 | D:14     | 27278 ||| SWAPPING to +6 heavy broad axe.
 27279 | D:14     | 27279 ||| SWAPPING to +9 broad axe "Kosum" {antimagic,
                  | rC+}.
 27280 | D:14     | 27280 ||| SWAPPING to +6 heavy broad axe.
 27281 | D:14     | 27281 ||| SWAPPING to +9 broad axe "Kosum" {antimagic,
                  | rC+}.
 27282 | D:14     | 27282 ||| SWAPPING to +6 heavy broad axe.
 27283 | D:14     | 27283 ||| SWAPPING to +9 broad axe "Kosum" {antimagic,
                  | rC+}.
 27284 | D:14     | 27284 ||| SWAPPING to +6 heavy broad axe.
 27285 | D:14     | 27285 ||| SWAPPING to +9 broad axe "Kosum" {antimagic,
                  | rC+}.
 27286 | D:14     | 27286 ||| SWAPPING to +6 heavy broad axe.
 27287 | D:14     | 27287 ||| SWAPPING to +9 broad axe "Kosum" {antimagic,
                  | rC+}.
 27288 | D:14     | 27288 ||| SWAPPING to +6 heavy broad axe.
 27289 | D:14     | 27289 ||| SWAPPING to +9 broad axe "Kosum" {antimagic,
                  | rC+}.
 27290 | D:14     | 27290 ||| SWAPPING to +6 heavy broad axe.
 27291 | D:14     | 27291 ||| SWAPPING to +9 broad axe "Kosum" {antimagic,
                  | rC+}.
 27292 | D:14     | 27292 ||| SWAPPING to +6 heavy broad axe.
 27293 | D:14     | 27293 ||| SWAPPING to +9 broad axe "Kosum" {antimagic,
                  | rC+}.
 27294 | D:14     | 27294 ||| SWAPPING to +6 heavy broad axe.
 27295 | D:14     | 27295 ||| SWAPPING to +9 broad axe "Kosum" {antimagic,
                  | rC+}.
 27296 | D:14     | 27296 ||| SWAPPING to +6 heavy broad axe.
 27297 | D:14     | 27297 ||| SWAPPING to +9 broad axe "Kosum" {antimagic,
                  | rC+}.
 27298 | D:14     | 27298 ||| SWAPPING to +6 heavy broad axe.
 27299 | D:14     | 27299 ||| SWAPPING to +9 broad axe "Kosum" {antimagic,
                  | rC+}.
 27300 | D:14     | 27300 ||| SWAPPING to +6 heavy broad axe.
 27301 | D:14     | 27301 ||| SWAPPING to +9 broad axe "Kosum" {antimagic,
                  | rC+}.
 27302 | D:14     | 27302 ||| SWAPPING to +6 heavy broad axe.
 27303 | D:14     | 27303 ||| SWAPPING to +9 broad axe "Kosum" {antimagic,
                  | rC+}.
 27304 | D:14     | 27304 ||| SWAPPING to +6 heavy broad axe.
 27305 | D:14     | 27305 ||| SWAPPING to +9 broad axe "Kosum" {antimagic,
                  | rC+}.
 27306 | D:14     | 27306 ||| SWAPPING to +6 heavy broad axe.
 27307 | D:14     | 27307 ||| SWAPPING to +9 broad axe "Kosum" {antimagic,
                  | rC+}.
 27308 | D:14     | 27308 ||| SWAPPING to +6 heavy broad axe.
 27309 | D:14     | 27309 ||| SWAPPING to +9 broad axe "Kosum" {antimagic,
                  | rC+}.
 27310 | D:14     | 27310 ||| SWAPPING to +6 heavy broad axe.
 27311 | D:14     | 27311 ||| SWAPPING to +9 broad axe "Kosum" {antimagic,
                  | rC+}.
 27312 | D:14     | 27312 ||| SWAPPING to +6 heavy broad axe.
 27313 | D:14     | 27313 ||| SWAPPING to +9 broad axe "Kosum" {antimagic,
                  | rC+}.
 27314 | D:14     | 27314 ||| SWAPPING to +6 heavy broad axe.
 27315 | D:14     | 27315 ||| SWAPPING to +9 broad axe "Kosum" {antimagic,
                  | rC+}.
 27316 | D:14     | 27316 ||| SWAPPING to +6 heavy broad axe.
 27317 | D:14     | 27317 ||| SWAPPING to +9 broad axe "Kosum" {antimagic,
                  | rC+}.
 27318 | D:14     | 27318 ||| SWAPPING to +6 heavy broad axe.
 27319 | D:14     | 27319 ||| SWAPPING to +9 broad axe "Kosum" {antimagic,
                  | rC+}.
 27320 | D:14     | 27320 ||| SWAPPING to +6 heavy broad axe.
 27321 | D:14     | 27321 ||| SWAPPING to +9 broad axe "Kosum" {antimagic,
                  | rC+}.
 27322 | D:14     | 27322 ||| SWAPPING to +6 heavy broad axe.
 27323 | D:14     | 27323 ||| SWAPPING to +9 broad axe "Kosum" {antimagic,
                  | rC+}.
 27324 | D:14     | 27324 ||| SWAPPING to +6 heavy broad axe.
 27325 | D:14     | 27325 ||| SWAPPING to +9 broad axe "Kosum" {antimagic,
                  | rC+}.
 27326 | D:14     | 27326 ||| SWAPPING to +6 heavy broad axe.
 27327 | D:14     | 27327 ||| SWAPPING to +9 broad axe "Kosum" {antimagic,
                  | rC+}.
 27328 | D:14     | 27328 ||| SWAPPING to +6 heavy broad axe.
 27329 | D:14     | 27329 ||| SWAPPING to +9 broad axe "Kosum" {antimagic,
                  | rC+}.
 27330 | D:14     | 27330 ||| SWAPPING to +6 heavy broad axe.
 27331 | D:14     | 27331 ||| SWAPPING to +9 broad axe "Kosum" {antimagic,
                  | rC+}.
 27332 | D:14     | 27332 ||| SWAPPING to +6 heavy broad axe.
 27333 | D:14     | 27333 ||| SWAPPING to +9 broad axe "Kosum" {antimagic,
                  | rC+}.
 27334 | D:14     | 27334 ||| SWAPPING to +6 heavy broad axe.
 27335 | D:14     | 27335 ||| SWAPPING to +9 broad axe "Kosum" {antimagic,
                  | rC+}.
 27336 | D:14     | 27336 ||| SWAPPING to +6 heavy broad axe.
 27337 | D:14     | 27337 ||| SWAPPING to +9 broad axe "Kosum" {antimagic,
                  | rC+}.
 27338 | D:14     | 27338 ||| SWAPPING to +6 heavy broad axe.
 27339 | D:14     | 27339 ||| SWAPPING to +9 broad axe "Kosum" {antimagic,
                  | rC+}.
 27340 | D:14     | 27340 ||| SWAPPING to +6 heavy broad axe.
 27341 | D:14     | 27341 ||| SWAPPING to +9 broad axe "Kosum" {antimagic,
                  | rC+}.
 27342 | D:14     | 27342 ||| SWAPPING to +6 heavy broad axe.
 27343 | D:14     | 27343 ||| SWAPPING to +9 broad axe "Kosum" {antimagic,
                  | rC+}.
 27344 | D:14     | 27344 ||| SWAPPING to +6 heavy broad axe.
 27345 | D:14     | 27345 ||| SWAPPING to +9 broad axe "Kosum" {antimagic,
                  | rC+}.
 27346 | D:14     | 27346 ||| SWAPPING to +6 heavy broad axe.
 27347 | D:14     | 27347 ||| SWAPPING to +9 broad axe "Kosum" {antimagic,
                  | rC+}.
 27348 | D:14     | 27348 ||| SWAPPING to +6 heavy broad axe.
 27349 | D:14     | 27349 ||| SWAPPING to +9 broad axe "Kosum" {antimagic,
                  | rC+}.
 27350 | D:14     | 27350 ||| SWAPPING to +6 heavy broad axe.
 27351 | D:14     | 27351 ||| SWAPPING to +9 broad axe "Kosum" {antimagic,
                  | rC+}.
 27352 | D:14     | 27352 ||| SWAPPING to +6 heavy broad axe.
 27353 | D:14     | 27353 ||| SWAPPING to +9 broad axe "Kosum" {antimagic,
                  | rC+}.
 27354 | D:14     | 27354 ||| SWAPPING to +6 heavy broad axe.
 27355 | D:14     | 27355 ||| SWAPPING to +9 broad axe "Kosum" {antimagic,
                  | rC+}.
 27356 | D:14     | 27356 ||| SWAPPING to +6 heavy broad axe.
 27357 | D:14     | 27357 ||| SWAPPING to +9 broad axe "Kosum" {antimagic,
                  | rC+}.
 27358 | D:14     | 27358 ||| SWAPPING to +6 heavy broad axe.
 27359 | D:14     | 27359 ||| SWAPPING to +9 broad axe "Kosum" {antimagic,
                  | rC+}.
 27360 | D:14     | 27360 ||| SWAPPING to +6 heavy broad axe.
 27361 | D:14     | 27361 ||| SWAPPING to +9 broad axe "Kosum" {antimagic,
                  | rC+}.
 27362 | D:14     | 27362 ||| SWAPPING to +6 heavy broad axe.
 27363 | D:14     | 27363 ||| SWAPPING to +9 broad axe "Kosum" {antimagic,
                  | rC+}.
 27364 | D:14     | 27364 ||| SWAPPING to +6 heavy broad axe.
 27365 | D:14     | 27365 ||| SWAPPING to +9 broad axe "Kosum" {antimagic,
                  | rC+}.
 27366 | D:14     | 27366 ||| SWAPPING to +6 heavy broad axe.
 27367 | D:14     | 27367 ||| SWAPPING to +9 broad axe "Kosum" {antimagic,
                  | rC+}.
 27368 | D:14     | 27368 ||| SWAPPING to +6 heavy broad axe.
 27369 | D:14     | 27369 ||| SWAPPING to +9 broad axe "Kosum" {antimagic,
                  | rC+}.
 27370 | D:14     | 27370 ||| SWAPPING to +6 heavy broad axe.
 27371 | D:14     | 27371 ||| SWAPPING to +9 broad axe "Kosum" {antimagic,
                  | rC+}.
 27372 | D:14     | 27372 ||| SWAPPING to +6 heavy broad axe.
 27373 | D:14     | 27373 ||| SWAPPING to +9 broad axe "Kosum" {antimagic,
                  | rC+}.
 27374 | D:14     | 27374 ||| SWAPPING to +6 heavy broad axe.
 27375 | D:14     | 27375 ||| SWAPPING to +9 broad axe "Kosum" {antimagic,
                  | rC+}.
 27376 | D:14     | 27376 ||| SWAPPING to +6 heavy broad axe.
 27377 | D:14     | 27377 ||| SWAPPING to +9 broad axe "Kosum" {antimagic,
                  | rC+}.
 27378 | D:14     | 27378 ||| SWAPPING to +6 heavy broad axe.
 27379 | D:14     | 27379 ||| SWAPPING to +9 broad axe "Kosum" {antimagic,
                  | rC+}.
 27380 | D:14     | 27380 ||| SWAPPING to +6 heavy broad axe.
 27381 | D:14     | 27381 ||| SWAPPING to +9 broad axe "Kosum" {antimagic,
                  | rC+}.
 27382 | D:14     | 27382 ||| SWAPPING to +6 heavy broad axe.
 27383 | D:14     | 27383 ||| SWAPPING to +9 broad axe "Kosum" {antimagic,
                  | rC+}.
 27384 | D:14     | 27384 ||| SWAPPING to +6 heavy broad axe.
 27385 | D:14     | 27385 ||| SWAPPING to +9 broad axe "Kosum" {antimagic,
                  | rC+}.
 27386 | D:14     | 27386 ||| SWAPPING to +6 heavy broad axe.
 27387 | D:14     | 27387 ||| SWAPPING to +9 broad axe "Kosum" {antimagic,
                  | rC+}.
 27388 | D:14     | 27388 ||| SWAPPING to +6 heavy broad axe.
 27389 | D:14     | 27389 ||| SWAPPING to +9 broad axe "Kosum" {antimagic,
                  | rC+}.
 27390 | D:14     | 27390 ||| SWAPPING to +6 heavy broad axe.
 27391 | D:14     | 27391 ||| SWAPPING to +9 broad axe "Kosum" {antimagic,
                  | rC+}.
 27392 | D:14     | 27392 ||| SWAPPING to +6 heavy broad axe.
 27393 | D:14     | 27393 ||| SWAPPING to +9 broad axe "Kosum" {antimagic,
                  | rC+}.
 27394 | D:14     | 27394 ||| SWAPPING to +6 heavy broad axe.
 27395 | D:14     | 27395 ||| SWAPPING to +9 broad axe "Kosum" {antimagic,
                  | rC+}.
 27396 | D:14     | 27396 ||| SWAPPING to +6 heavy broad axe.
 27397 | D:14     | 27397 ||| SWAPPING to +9 broad axe "Kosum" {antimagic,
                  | rC+}.
 27398 | D:14     | 27398 ||| SWAPPING to +6 heavy broad axe.
 27399 | D:14     | 27399 ||| SWAPPING to +9 broad axe "Kosum" {antimagic,
                  | rC+}.
 27400 | D:14     | 27400 ||| SWAPPING to +6 heavy broad axe.
 27401 | D:14     | 27401 ||| SWAPPING to +9 broad axe "Kosum" {antimagic,
                  | rC+}.
 27402 | D:14     | 27402 ||| SWAPPING to +6 heavy broad axe.
 27403 | D:14     | 27403 ||| SWAPPING to +9 broad axe "Kosum" {antimagic,
                  | rC+}.
 27404 | D:14     | 27404 ||| SWAPPING to +6 heavy broad axe.
 27405 | D:14     | 27405 ||| SWAPPING to +9 broad axe "Kosum" {antimagic,
                  | rC+}.
 27406 | D:14     | 27406 ||| SWAPPING to +6 heavy broad axe.
 27407 | D:14     | 27407 ||| SWAPPING to +9 broad axe "Kosum" {antimagic,
                  | rC+}.
 27408 | D:14     | 27408 ||| SWAPPING to +6 heavy broad axe.
 27409 | D:14     | 27409 ||| SWAPPING to +9 broad axe "Kosum" {antimagic,
                  | rC+}.
 27410 | D:14     | 27410 ||| SWAPPING to +6 heavy broad axe.
 27411 | D:14     | 27411 ||| SWAPPING to +9 broad axe "Kosum" {antimagic,
                  | rC+}.
 27412 | D:14     | 27412 ||| SWAPPING to +6 heavy broad axe.
 27413 | D:14     | 27413 ||| SWAPPING to +9 broad axe "Kosum" {antimagic,
                  | rC+}.
 27414 | D:14     | 27414 ||| SWAPPING to +6 heavy broad axe.
 27415 | D:14     | 27415 ||| SWAPPING to +9 broad axe "Kosum" {antimagic,
                  | rC+}.
 27416 | D:14     | 27416 ||| SWAPPING to +6 heavy broad axe.
 27417 | D:14     | 27417 ||| SWAPPING to +9 broad axe "Kosum" {antimagic,
                  | rC+}.
 27418 | D:14     | 27418 ||| SWAPPING to +6 heavy broad axe.
 27419 | D:14     | 27419 ||| SWAPPING to +9 broad axe "Kosum" {antimagic,
                  | rC+}.
 27420 | D:14     | 27420 ||| SWAPPING to +6 heavy broad axe.
 27421 | D:14     | 27421 ||| SWAPPING to +9 broad axe "Kosum" {antimagic,
                  | rC+}.
 27422 | D:14     | 27422 ||| SWAPPING to +6 heavy broad axe.
 27423 | D:14     | 27423 ||| SWAPPING to +9 broad axe "Kosum" {antimagic,
                  | rC+}.
 27424 | D:14     | 27424 ||| SWAPPING to +6 heavy broad axe.
 27425 | D:14     | 27425 ||| SWAPPING to +9 broad axe "Kosum" {antimagic,
                  | rC+}.
 27426 | D:14     | 27426 ||| SWAPPING to +6 heavy broad axe.
 27427 | D:14     | 27427 ||| SWAPPING to +9 broad axe "Kosum" {antimagic,
                  | rC+}.
 27428 | D:14     | 27428 ||| SWAPPING to +6 heavy broad axe.
 27429 | D:14     | 27429 ||| SWAPPING to +9 broad axe "Kosum" {antimagic,
                  | rC+}.
 27430 | D:14     | 27430 ||| SWAPPING to +6 heavy broad axe.
 27431 | D:14     | 27431 ||| SWAPPING to +9 broad axe "Kosum" {antimagic,
                  | rC+}.
 27432 | D:14     | 27432 ||| SWAPPING to +6 heavy broad axe.
 27433 | D:14     | 27433 ||| SWAPPING to +9 broad axe "Kosum" {antimagic,
                  | rC+}.
 27434 | D:14     | 27434 ||| SWAPPING to +6 heavy broad axe.
 27435 | D:14     | 27435 ||| SWAPPING to +9 broad axe "Kosum" {antimagic,
                  | rC+}.
 27436 | D:14     | 27436 ||| SWAPPING to +6 heavy broad axe.
 27437 | D:14     | 27437 ||| SWAPPING to +9 broad axe "Kosum" {antimagic,
                  | rC+}.
 27438 | D:14     | 27438 ||| SWAPPING to +6 heavy broad axe.
 27439 | D:14     | 27439 ||| SWAPPING to +9 broad axe "Kosum" {antimagic,
                  | rC+}.
 27440 | D:14     | 27440 ||| SWAPPING to +6 heavy broad axe.
 27441 | D:14     | 27441 ||| SWAPPING to +9 broad axe "Kosum" {antimagic,
                  | rC+}.
 27442 | D:14     | 27442 ||| SWAPPING to +6 heavy broad axe.
 27443 | D:14     | 27443 ||| SWAPPING to +9 broad axe "Kosum" {antimagic,
                  | rC+}.
 27444 | D:14     | 27444 ||| SWAPPING to +6 heavy broad axe.
 27445 | D:14     | 27445 ||| SWAPPING to +9 broad axe "Kosum" {antimagic,
                  | rC+}.
 27446 | D:14     | 27446 ||| SWAPPING to +6 heavy broad axe.
 27447 | D:14     | 27447 ||| SWAPPING to +9 broad axe "Kosum" {antimagic,
                  | rC+}.
 27448 | D:14     | 27448 ||| SWAPPING to +6 heavy broad axe.
 27449 | D:14     | 27449 ||| SWAPPING to +9 broad axe "Kosum" {antimagic,
                  | rC+}.
 27450 | D:14     | 27450 ||| SWAPPING to +6 heavy broad axe.
 27451 | D:14     | 27451 ||| SWAPPING to +9 broad axe "Kosum" {antimagic,
                  | rC+}.
 27452 | D:14     | 27452 ||| SWAPPING to +6 heavy broad axe.
 27453 | D:14     | 27453 ||| SWAPPING to +9 broad axe "Kosum" {antimagic,
                  | rC+}.
 27454 | D:14     | 27454 ||| SWAPPING to +6 heavy broad axe.
 27455 | D:14     | 27455 ||| SWAPPING to +9 broad axe "Kosum" {antimagic,
                  | rC+}.
 27456 | D:14     | 27456 ||| SWAPPING to +6 heavy broad axe.
 27457 | D:14     | 27457 ||| SWAPPING to +9 broad axe "Kosum" {antimagic,
                  | rC+}.
 27458 | D:14     | 27458 ||| SWAPPING to +6 heavy broad axe.
 27459 | D:14     | 27459 ||| SWAPPING to +9 broad axe "Kosum" {antimagic,
                  | rC+}.
 27460 | D:14     | 27460 ||| SWAPPING to +6 heavy broad axe.
 27461 | D:14     | 27461 ||| SWAPPING to +9 broad axe "Kosum" {antimagic,
                  | rC+}.
 27462 | D:14     | 27462 ||| SWAPPING to +6 heavy broad axe.
 27463 | D:14     | 27463 ||| SWAPPING to +9 broad axe "Kosum" {antimagic,
                  | rC+}.
 27464 | D:14     | 27464 ||| SWAPPING to +6 heavy broad axe.
 27465 | D:14     | 27465 ||| SWAPPING to +9 broad axe "Kosum" {antimagic,
                  | rC+}.
 27466 | D:14     | 27466 ||| SWAPPING to +6 heavy broad axe.
 27467 | D:14     | 27467 ||| SWAPPING to +9 broad axe "Kosum" {antimagic,
                  | rC+}.
 27468 | D:14     | 27468 ||| SWAPPING to +6 heavy broad axe.
 27469 | D:14     | 27469 ||| SWAPPING to +9 broad axe "Kosum" {antimagic,
                  | rC+}.
 27470 | D:14     | 27470 ||| SWAPPING to +6 heavy broad axe.
 27471 | D:14     | 27471 ||| SWAPPING to +9 broad axe "Kosum" {antimagic,
                  | rC+}.
 27472 | D:14     | 27472 ||| SWAPPING to +6 heavy broad axe.
 27473 | D:14     | 27473 ||| SWAPPING to +9 broad axe "Kosum" {antimagic,
                  | rC+}.
 27474 | D:14     | 27474 ||| SWAPPING to +6 heavy broad axe.
 27475 | D:14     | 27475 ||| SWAPPING to +9 broad axe "Kosum" {antimagic,
                  | rC+}.
 27476 | D:14     | 27476 ||| SWAPPING to +6 heavy broad axe.
 27477 | D:14     | 27477 ||| SWAPPING to +9 broad axe "Kosum" {antimagic,
                  | rC+}.
 27478 | D:14     | 27478 ||| SWAPPING to +6 heavy broad axe.
 27479 | D:14     | 27479 ||| SWAPPING to +9 broad axe "Kosum" {antimagic,
                  | rC+}.
 27480 | D:14     | 27480 ||| SWAPPING to +6 heavy broad axe.
 27481 | D:14     | 27481 ||| SWAPPING to +9 broad axe "Kosum" {antimagic,
                  | rC+}.
 27482 | D:14     | 27482 ||| SWAPPING to +6 heavy broad axe.
 27483 | D:14     | 27483 ||| SWAPPING to +9 broad axe "Kosum" {antimagic,
                  | rC+}.
 27484 | D:14     | 27484 ||| SWAPPING to +6 heavy broad axe.
 27485 | D:14     | 27485 ||| SWAPPING to +9 broad axe "Kosum" {antimagic,
                  | rC+}.
 27486 | D:14     | 27486 ||| SWAPPING to +6 heavy broad axe.
 27487 | D:14     | 27487 ||| SWAPPING to +9 broad axe "Kosum" {antimagic,
                  | rC+}.
 27488 | D:14     | 27488 ||| SWAPPING to +6 heavy broad axe.
 27489 | D:14     | 27489 ||| SWAPPING to +9 broad axe "Kosum" {antimagic,
                  | rC+}.
 27490 | D:14     | 27490 ||| SWAPPING to +6 heavy broad axe.
 27491 | D:14     | 27491 ||| SWAPPING to +9 broad axe "Kosum" {antimagic,
                  | rC+}.
 27492 | D:14     | 27492 ||| SWAPPING to +6 heavy broad axe.
 27493 | D:14     | 27493 ||| SWAPPING to +9 broad axe "Kosum" {antimagic,
                  | rC+}.
 27494 | D:14     | 27494 ||| SWAPPING to +6 heavy broad axe.
 27495 | D:14     | 27495 ||| SWAPPING to +9 broad axe "Kosum" {antimagic,
                  | rC+}.
 27496 | D:14     | 27496 ||| SWAPPING to +6 heavy broad axe.
 27497 | D:14     | 27497 ||| SWAPPING to +9 broad axe "Kosum" {antimagic,
                  | rC+}.
 27498 | D:14     | 27498 ||| SWAPPING to +6 heavy broad axe.
 27499 | D:14     | 27499 ||| SWAPPING to +9 broad axe "Kosum" {antimagic,
                  | rC+}.
 27500 | D:14     | 27500 ||| SWAPPING to +6 heavy broad axe.
 27501 | D:14     | 27501 ||| SWAPPING to +9 broad axe "Kosum" {antimagic,
                  | rC+}.
 27502 | D:14     | 27502 ||| SWAPPING to +6 heavy broad axe.
 27503 | D:14     | 27503 ||| SWAPPING to +9 broad axe "Kosum" {antimagic,
                  | rC+}.
 27504 | D:14     | 27504 ||| SWAPPING to +6 heavy broad axe.
 27505 | D:14     | 27505 ||| SWAPPING to +9 broad axe "Kosum" {antimagic,
                  | rC+}.
 27506 | D:14     | 27506 ||| SWAPPING to +6 heavy broad axe.
 27507 | D:14     | 27507 ||| SWAPPING to +9 broad axe "Kosum" {antimagic,
                  | rC+}.
 27508 | D:14     | 27508 ||| SWAPPING to +6 heavy broad axe.
 27509 | D:14     | 27509 ||| SWAPPING to +9 broad axe "Kosum" {antimagic,
                  | rC+}.
 27510 | D:14     | 27510 ||| SWAPPING to +6 heavy broad axe.
 27511 | D:14     | 27511 ||| SWAPPING to +9 broad axe "Kosum" {antimagic,
                  | rC+}.
 27512 | D:14     | 27512 ||| SWAPPING to +6 heavy broad axe.
 27513 | D:14     | 27513 ||| SWAPPING to +9 broad axe "Kosum" {antimagic,
                  | rC+}.
 27514 | D:14     | 27514 ||| SWAPPING to +6 heavy broad axe.
 27515 | D:14     | 27515 ||| SWAPPING to +9 broad axe "Kosum" {antimagic,
                  | rC+}.
 27516 | D:14     | 27516 ||| SWAPPING to +6 heavy broad axe.
 27517 | D:14     | 27517 ||| SWAPPING to +9 broad axe "Kosum" {antimagic,
                  | rC+}.
 27518 | D:14     | 27518 ||| SWAPPING to +6 heavy broad axe.
 27519 | D:14     | 27519 ||| SWAPPING to +9 broad axe "Kosum" {antimagic,
                  | rC+}.
 27520 | D:14     | 27520 ||| SWAPPING to +6 heavy broad axe.
 27521 | D:14     | 27521 ||| SWAPPING to +9 broad axe "Kosum" {antimagic,
                  | rC+}.
 27522 | D:14     | 27522 ||| SWAPPING to +6 heavy broad axe.
 27523 | D:14     | 27523 ||| SWAPPING to +9 broad axe "Kosum" {antimagic,
                  | rC+}.
 27524 | D:14     | 27524 ||| SWAPPING to +6 heavy broad axe.
 27525 | D:14     | 27525 ||| SWAPPING to +9 broad axe "Kosum" {antimagic,
                  | rC+}.
 27526 | D:14     | 27526 ||| SWAPPING to +6 heavy broad axe.
 27527 | D:14     | 27527 ||| SWAPPING to +9 broad axe "Kosum" {antimagic,
                  | rC+}.
 27528 | D:14     | 27528 ||| SWAPPING to +6 heavy broad axe.
 27529 | D:14     | 27529 ||| SWAPPING to +9 broad axe "Kosum" {antimagic,
                  | rC+}.
 27530 | D:14     | 27530 ||| SWAPPING to +6 heavy broad axe.
 27531 | D:14     | 27531 ||| SWAPPING to +9 broad axe "Kosum" {antimagic,
                  | rC+}.
 27532 | D:14     | 27532 ||| SWAPPING to +6 heavy broad axe.
 27533 | D:14     | 27533 ||| SWAPPING to +9 broad axe "Kosum" {antimagic,
                  | rC+}.
 27534 | D:14     | 27534 ||| SWAPPING to +6 heavy broad axe.
 27535 | D:14     | 27535 ||| SWAPPING to +9 broad axe "Kosum" {antimagic,
                  | rC+}.
 27536 | D:14     | 27536 ||| SWAPPING to +6 heavy broad axe.
 27537 | D:14     | 27537 ||| SWAPPING to +9 broad axe "Kosum" {antimagic,
                  | rC+}.
 27538 | D:14     | 27538 ||| SWAPPING to +6 heavy broad axe.
 27539 | D:14     | 27539 ||| SWAPPING to +9 broad axe "Kosum" {antimagic,
                  | rC+}.
 27540 | D:14     | 27540 ||| SWAPPING to +6 heavy broad axe.
 27541 | D:14     | 27541 ||| SWAPPING to +9 broad axe "Kosum" {antimagic,
                  | rC+}.
 27542 | D:14     | 27542 ||| SWAPPING to +6 heavy broad axe.
 27543 | D:14     | 27543 ||| SWAPPING to +9 broad axe "Kosum" {antimagic,
                  | rC+}.
 27544 | D:14     | 27544 ||| SWAPPING to +6 heavy broad axe.
 27545 | D:14     | 27545 ||| SWAPPING to +9 broad axe "Kosum" {antimagic,
                  | rC+}.
 27546 | D:14     | 27546 ||| SWAPPING to +6 heavy broad axe.
 27547 | D:14     | 27547 ||| SWAPPING to +9 broad axe "Kosum" {antimagic,
                  | rC+}.
 27548 | D:14     | 27548 ||| SWAPPING to +6 heavy broad axe.
 27549 | D:14     | 27549 ||| SWAPPING to +9 broad axe "Kosum" {antimagic,
                  | rC+}.
 27550 | D:14     | 27550 ||| SWAPPING to +6 heavy broad axe.
 27551 | D:14     | 27551 ||| SWAPPING to +9 broad axe "Kosum" {antimagic,
                  | rC+}.
 27552 | D:14     | 27552 ||| SWAPPING to +6 heavy broad axe.
 27553 | D:14     | 27553 ||| SWAPPING to +9 broad axe "Kosum" {antimagic,
                  | rC+}.
 27554 | D:14     | 27554 ||| SWAPPING to +6 heavy broad axe.
 27555 | D:14     | 27555 ||| SWAPPING to +9 broad axe "Kosum" {antimagic,
                  | rC+}.
 27556 | D:14     | 27556 ||| SWAPPING to +6 heavy broad axe.
 27557 | D:14     | 27557 ||| SWAPPING to +9 broad axe "Kosum" {antimagic,
                  | rC+}.
 27558 | D:14     | 27558 ||| SWAPPING to +6 heavy broad axe.
 27559 | D:14     | 27559 ||| SWAPPING to +9 broad axe "Kosum" {antimagic,
                  | rC+}.
 27560 | D:14     | 27560 ||| SWAPPING to +6 heavy broad axe.
 27561 | D:14     | 27561 ||| SWAPPING to +9 broad axe "Kosum" {antimagic,
                  | rC+}.
 27562 | D:14     | 27562 ||| SWAPPING to +6 heavy broad axe.
 27563 | D:14     | 27563 ||| SWAPPING to +9 broad axe "Kosum" {antimagic,
                  | rC+}.
 27564 | D:14     | 27564 ||| SWAPPING to +6 heavy broad axe.
 27565 | D:14     | 27565 ||| SWAPPING to +9 broad axe "Kosum" {antimagic,
                  | rC+}.
 27566 | D:14     | 27566 ||| SWAPPING to +6 heavy broad axe.
 27567 | D:14     | 27567 ||| SWAPPING to +9 broad axe "Kosum" {antimagic,
                  | rC+}.
 27568 | D:14     | 27568 ||| SWAPPING to +6 heavy broad axe.
 27569 | D:14     | 27569 ||| SWAPPING to +9 broad axe "Kosum" {antimagic,
                  | rC+}.
 27570 | D:14     | 27570 ||| SWAPPING to +6 heavy broad axe.
 27571 | D:14     | 27571 ||| SWAPPING to +9 broad axe "Kosum" {antimagic,
                  | rC+}.
 27572 | D:14     | 27572 ||| SWAPPING to +6 heavy broad axe.
 27573 | D:14     | 27573 ||| SWAPPING to +9 broad axe "Kosum" {antimagic,
                  | rC+}.
 27574 | D:14     | 27574 ||| SWAPPING to +6 heavy broad axe.
 27575 | D:14     | 27575 ||| SWAPPING to +9 broad axe "Kosum" {antimagic,
                  | rC+}.
 27576 | D:14     | 27576 ||| SWAPPING to +6 heavy broad axe.
 27577 | D:14     | 27577 ||| SWAPPING to +9 broad axe "Kosum" {antimagic,
                  | rC+}.
 27578 | D:14     | 27578 ||| SWAPPING to +6 heavy broad axe.
 27579 | D:14     | 27579 ||| SWAPPING to +9 broad axe "Kosum" {antimagic,
                  | rC+}.
 27580 | D:14     | 27580 ||| SWAPPING to +6 heavy broad axe.
 27581 | D:14     | 27581 ||| SWAPPING to +9 broad axe "Kosum" {antimagic,
                  | rC+}.
 27582 | D:14     | 27582 ||| SWAPPING to +6 heavy broad axe.
 27583 | D:14     | 27583 ||| SWAPPING to +9 broad axe "Kosum" {antimagic,
                  | rC+}.
 27584 | D:14     | 27584 ||| SWAPPING to +6 heavy broad axe.
 27585 | D:14     | 27585 ||| SWAPPING to +9 broad axe "Kosum" {antimagic,
                  | rC+}.
 27586 | D:14     | 27586 ||| SWAPPING to +6 heavy broad axe.
 27587 | D:14     | 27587 ||| SWAPPING to +9 broad axe "Kosum" {antimagic,
                  | rC+}.
 27588 | D:14     | 27588 ||| SWAPPING to +6 heavy broad axe.
 27589 | D:14     | 27589 ||| SWAPPING to +9 broad axe "Kosum" {antimagic,
                  | rC+}.
 27590 | D:14     | 27590 ||| SWAPPING to +6 heavy broad axe.
 27591 | D:14     | 27591 ||| SWAPPING to +9 broad axe "Kosum" {antimagic,
                  | rC+}.
 27592 | D:14     | 27592 ||| SWAPPING to +6 heavy broad axe.
 27593 | D:14     | 27593 ||| SWAPPING to +9 broad axe "Kosum" {antimagic,
                  | rC+}.
 27594 | D:14     | 27594 ||| SWAPPING to +6 heavy broad axe.
 27595 | D:14     | 27595 ||| SWAPPING to +9 broad axe "Kosum" {antimagic,
                  | rC+}.
 27596 | D:14     | 27596 ||| SWAPPING to +6 heavy broad axe.
 27597 | D:14     | 27597 ||| SWAPPING to +9 broad axe "Kosum" {antimagic,
                  | rC+}.
 27598 | D:14     | 27598 ||| SWAPPING to +6 heavy broad axe.
 27599 | D:14     | 27599 ||| SWAPPING to +9 broad axe "Kosum" {antimagic,
                  | rC+}.
 27600 | D:14     | 27600 ||| SWAPPING to +6 heavy broad axe.
 27601 | D:14     | 27601 ||| SWAPPING to +9 broad axe "Kosum" {antimagic,
                  | rC+}.
 27602 | D:14     | 27602 ||| SWAPPING to +6 heavy broad axe.
 27603 | D:14     | 27603 ||| SWAPPING to +9 broad axe "Kosum" {antimagic,
                  | rC+}.
 27604 | D:14     | 27604 ||| SWAPPING to +6 heavy broad axe.
 27605 | D:14     | 27605 ||| SWAPPING to +9 broad axe "Kosum" {antimagic,
                  | rC+}.
 27606 | D:14     | 27606 ||| SWAPPING to +6 heavy broad axe.
 27607 | D:14     | 27607 ||| SWAPPING to +9 broad axe "Kosum" {antimagic,
                  | rC+}.
 27608 | D:14     | 27608 ||| SWAPPING to +6 heavy broad axe.
 27609 | D:14     | 27609 ||| SWAPPING to +9 broad axe "Kosum" {antimagic,
                  | rC+}.
 27610 | D:14     | 27610 ||| SWAPPING to +6 heavy broad axe.
 27611 | D:14     | 27611 ||| SWAPPING to +9 broad axe "Kosum" {antimagic,
                  | rC+}.
 27612 | D:14     | 27612 ||| SWAPPING to +6 heavy broad axe.
 27613 | D:14     | 27613 ||| SWAPPING to +9 broad axe "Kosum" {antimagic,
                  | rC+}.
 27614 | D:14     | 27614 ||| SWAPPING to +6 heavy broad axe.
 27615 | D:14     | 27615 ||| SWAPPING to +9 broad axe "Kosum" {antimagic,
                  | rC+}.
 27616 | D:14     | 27616 ||| SWAPPING to +6 heavy broad axe.
 27617 | D:14     | 27617 ||| SWAPPING to +9 broad axe "Kosum" {antimagic,
                  | rC+}.
 27618 | D:14     | 27618 ||| SWAPPING to +6 heavy broad axe.
 27619 | D:14     | 27619 ||| SWAPPING to +9 broad axe "Kosum" {antimagic,
                  | rC+}.
 27620 | D:14     | 27620 ||| SWAPPING to +6 heavy broad axe.
 27621 | D:14     | 27621 ||| SWAPPING to +9 broad axe "Kosum" {antimagic,
                  | rC+}.
 27622 | D:14     | 27622 ||| SWAPPING to +6 heavy broad axe.
 27623 | D:14     | 27623 ||| SWAPPING to +9 broad axe "Kosum" {antimagic,
                  | rC+}.
 27624 | D:14     | 27624 ||| SWAPPING to +6 heavy broad axe.
 27625 | D:14     | 27625 ||| SWAPPING to +9 broad axe "Kosum" {antimagic,
                  | rC+}.
 27626 | D:14     | 27626 ||| SWAPPING to +6 heavy broad axe.
 27627 | D:14     | 27627 ||| SWAPPING to +9 broad axe "Kosum" {antimagic,
                  | rC+}.
 27628 | D:14     | 27628 ||| SWAPPING to +6 heavy broad axe.
 27629 | D:14     | 27629 ||| SWAPPING to +9 broad axe "Kosum" {antimagic,
                  | rC+}.
 27630 | D:14     | 27630 ||| SWAPPING to +6 heavy broad axe.
 27631 | D:14     | 27631 ||| SWAPPING to +9 broad axe "Kosum" {antimagic,
                  | rC+}.
 27632 | D:14     | 27632 ||| SWAPPING to +6 heavy broad axe.
 27633 | D:14     | 27633 ||| SWAPPING to +9 broad axe "Kosum" {antimagic,
                  | rC+}.
 27634 | D:14     | 27634 ||| SWAPPING to +6 heavy broad axe.
 27635 | D:14     | 27635 ||| SWAPPING to +9 broad axe "Kosum" {antimagic,
                  | rC+}.
 27636 | D:14     | 27636 ||| SWAPPING to +6 heavy broad axe.
 27637 | D:14     | 27637 ||| SWAPPING to +9 broad axe "Kosum" {antimagic,
                  | rC+}.
 27638 | D:14     | 27638 ||| SWAPPING to +6 heavy broad axe.
 27639 | D:14     | 27639 ||| SWAPPING to +9 broad axe "Kosum" {antimagic,
                  | rC+}.
 27640 | D:14     | 27640 ||| SWAPPING to +6 heavy broad axe.
 27641 | D:14     | 27641 ||| SWAPPING to +9 broad axe "Kosum" {antimagic,
                  | rC+}.
 27642 | D:14     | 27642 ||| SWAPPING to +6 heavy broad axe.
 27643 | D:14     | 27643 ||| SWAPPING to +9 broad axe "Kosum" {antimagic,
                  | rC+}.
 27644 | D:14     | 27644 ||| SWAPPING to +6 heavy broad axe.
 27645 | D:14     | 27645 ||| SWAPPING to +9 broad axe "Kosum" {antimagic,
                  | rC+}.
 27646 | D:14     | 27646 ||| SWAPPING to +6 heavy broad axe.
 27647 | D:14     | 27647 ||| SWAPPING to +9 broad axe "Kosum" {antimagic,
                  | rC+}.
 27648 | D:14     | 27648 ||| SWAPPING to +6 heavy broad axe.
 27649 | D:14     | 27649 ||| SWAPPING to +9 broad axe "Kosum" {antimagic,
                  | rC+}.
 27650 | D:14     | 27650 ||| SWAPPING to +6 heavy broad axe.
 27651 | D:14     | 27651 ||| SWAPPING to +9 broad axe "Kosum" {antimagic,
                  | rC+}.
 27652 | D:14     | 27652 ||| SWAPPING to +6 heavy broad axe.
 27653 | D:14     | 27653 ||| SWAPPING to +9 broad axe "Kosum" {antimagic,
                  | rC+}.
 27654 | D:14     | 27654 ||| SWAPPING to +6 heavy broad axe.
 27655 | D:14     | 27655 ||| SWAPPING to +9 broad axe "Kosum" {antimagic,
                  | rC+}.
 27656 | D:14     | 27656 ||| SWAPPING to +6 heavy broad axe.
 27657 | D:14     | 27657 ||| SWAPPING to +9 broad axe "Kosum" {antimagic,
                  | rC+}.
 27658 | D:14     | 27658 ||| SWAPPING to +6 heavy broad axe.
 27659 | D:14     | 27659 ||| SWAPPING to +9 broad axe "Kosum" {antimagic,
                  | rC+}.
 27660 | D:14     | 27660 ||| SWAPPING to +6 heavy broad axe.
 27661 | D:14     | 27661 ||| SWAPPING to +9 broad axe "Kosum" {antimagic,
                  | rC+}.
 27662 | D:14     | 27662 ||| SWAPPING to +6 heavy broad axe.
 27663 | D:14     | 27663 ||| SWAPPING to +9 broad axe "Kosum" {antimagic,
                  | rC+}.
 27664 | D:14     | 27664 ||| SWAPPING to +6 heavy broad axe.
 27665 | D:14     | 27665 ||| SWAPPING to +9 broad axe "Kosum" {antimagic,
                  | rC+}.
 27666 | D:14     | 27666 ||| SWAPPING to +6 heavy broad axe.
 27667 | D:14     | 27667 ||| SWAPPING to +9 broad axe "Kosum" {antimagic,
                  | rC+}.
 27668 | D:14     | 27668 ||| SWAPPING to +6 heavy broad axe.
 27669 | D:14     | 27669 ||| SWAPPING to +9 broad axe "Kosum" {antimagic,
                  | rC+}.
 27670 | D:14     | 27670 ||| SWAPPING to +6 heavy broad axe.
 27671 | D:14     | 27671 ||| SWAPPING to +9 broad axe "Kosum" {antimagic,
                  | rC+}.
 27672 | D:14     | 27672 ||| SWAPPING to +6 heavy broad axe.
 27673 | D:14     | 27673 ||| SWAPPING to +9 broad axe "Kosum" {antimagic,
                  | rC+}.
 27674 | D:14     | 27674 ||| SWAPPING to +6 heavy broad axe.
 27675 | D:14     | 27675 ||| SWAPPING to +9 broad axe "Kosum" {antimagic,
                  | rC+}.
 27676 | D:14     | 27676 ||| SWAPPING to +6 heavy broad axe.
 27677 | D:14     | 27677 ||| SWAPPING to +9 broad axe "Kosum" {antimagic,
                  | rC+}.
 27678 | D:14     | 27678 ||| SWAPPING to +6 heavy broad axe.
 27679 | D:14     | 27679 ||| SWAPPING to +9 broad axe "Kosum" {antimagic,
                  | rC+}.
 27680 | D:14     | 27680 ||| SWAPPING to +6 heavy broad axe.
 27681 | D:14     | 27681 ||| SWAPPING to +9 broad axe "Kosum" {antimagic,
                  | rC+}.
 27682 | D:14     | 27682 ||| SWAPPING to +6 heavy broad axe.
 27683 | D:14     | 27683 ||| SWAPPING to +9 broad axe "Kosum" {antimagic,
                  | rC+}.
 27684 | D:14     | 27684 ||| SWAPPING to +6 heavy broad axe.
 27685 | D:14     | 27685 ||| SWAPPING to +9 broad axe "Kosum" {antimagic,
                  | rC+}.
 27686 | D:14     | 27686 ||| SWAPPING to +6 heavy broad axe.
 27687 | D:14     | 27687 ||| SWAPPING to +9 broad axe "Kosum" {antimagic,
                  | rC+}.
 27688 | D:14     | 27688 ||| SWAPPING to +6 heavy broad axe.
 27689 | D:14     | 27689 ||| SWAPPING to +9 broad axe "Kosum" {antimagic,
                  | rC+}.
 27690 | D:14     | 27690 ||| SWAPPING to +6 heavy broad axe.
 27691 | D:14     | 27691 ||| SWAPPING to +9 broad axe "Kosum" {antimagic,
                  | rC+}.
 27692 | D:14     | 27692 ||| SWAPPING to +6 heavy broad axe.
 27693 | D:14     | 27693 ||| SWAPPING to +9 broad axe "Kosum" {antimagic,
                  | rC+}.
 27694 | D:14     | 27694 ||| SWAPPING to +6 heavy broad axe.
 27695 | D:14     | 27695 ||| SWAPPING to +9 broad axe "Kosum" {antimagic,
                  | rC+}.
 27696 | D:14     | 27696 ||| SWAPPING to +6 heavy broad axe.
 27697 | D:14     | 27697 ||| SWAPPING to +9 broad axe "Kosum" {antimagic,
                  | rC+}.
 27698 | D:14     | 27698 ||| SWAPPING to +6 heavy broad axe.
 27699 | D:14     | 27699 ||| SWAPPING to +9 broad axe "Kosum" {antimagic,
                  | rC+}.
 27700 | D:14     | 27700 ||| SWAPPING to +6 heavy broad axe.
 27701 | D:14     | 27701 ||| SWAPPING to +9 broad axe "Kosum" {antimagic,
                  | rC+}.
 27702 | D:14     | 27702 ||| SWAPPING to +6 heavy broad axe.
 27703 | D:14     | 27703 ||| SWAPPING to +9 broad axe "Kosum" {antimagic,
                  | rC+}.
 27704 | D:14     | 27704 ||| SWAPPING to +6 heavy broad axe.
 27705 | D:14     | 27705 ||| SWAPPING to +9 broad axe "Kosum" {antimagic,
                  | rC+}.
 27706 | D:14     | 27706 ||| SWAPPING to +6 heavy broad axe.
 27707 | D:14     | 27707 ||| SWAPPING to +9 broad axe "Kosum" {antimagic,
                  | rC+}.
 27708 | D:14     | 27708 ||| SWAPPING to +6 heavy broad axe.
 27709 | D:14     | 27709 ||| SWAPPING to +9 broad axe "Kosum" {antimagic,
                  | rC+}.
 27710 | D:14     | 27710 ||| SWAPPING to +6 heavy broad axe.
 27711 | D:14     | 27711 ||| SWAPPING to +9 broad axe "Kosum" {antimagic,
                  | rC+}.
 27712 | D:14     | 27712 ||| SWAPPING to +6 heavy broad axe.
 27713 | D:14     | 27713 ||| SWAPPING to +9 broad axe "Kosum" {antimagic,
                  | rC+}.
 27714 | D:14     | 27714 ||| SWAPPING to +6 heavy broad axe.
 27715 | D:14     | 27715 ||| SWAPPING to +9 broad axe "Kosum" {antimagic,
                  | rC+}.
 27716 | D:14     | 27716 ||| SWAPPING to +6 heavy broad axe.
 27717 | D:14     | 27717 ||| SWAPPING to +9 broad axe "Kosum" {antimagic,
                  | rC+}.
 27718 | D:14     | 27718 ||| SWAPPING to +6 heavy broad axe.
 27719 | D:14     | 27719 ||| SWAPPING to +9 broad axe "Kosum" {antimagic,
                  | rC+}.
 27720 | D:14     | 27720 ||| SWAPPING to +6 heavy broad axe.
 27721 | D:14     | 27721 ||| SWAPPING to +9 broad axe "Kosum" {antimagic,
                  | rC+}.
 27722 | D:14     | 27722 ||| SWAPPING to +6 heavy broad axe.
 27723 | D:14     | 27723 ||| SWAPPING to +9 broad axe "Kosum" {antimagic,
                  | rC+}.
 27724 | D:14     | 27724 ||| SWAPPING to +6 heavy broad axe.
 27725 | D:14     | 27725 ||| SWAPPING to +9 broad axe "Kosum" {antimagic,
                  | rC+}.
 27726 | D:14     | 27726 ||| SWAPPING to +6 heavy broad axe.
 27727 | D:14     | 27727 ||| SWAPPING to +9 broad axe "Kosum" {antimagic,
                  | rC+}.
 27728 | D:14     | 27728 ||| SWAPPING to +6 heavy broad axe.
 27729 | D:14     | 27729 ||| SWAPPING to +9 broad axe "Kosum" {antimagic,
                  | rC+}.
 27730 | D:14     | 27730 ||| SWAPPING to +6 heavy broad axe.
 27731 | D:14     | 27731 ||| SWAPPING to +9 broad axe "Kosum" {antimagic,
                  | rC+}.
 27732 | D:14     | 27732 ||| SWAPPING to +6 heavy broad axe.
 27733 | D:14     | 27733 ||| SWAPPING to +9 broad axe "Kosum" {antimagic,
                  | rC+}.
 27734 | D:14     | 27734 ||| SWAPPING to +6 heavy broad axe.
 27735 | D:14     | 27735 ||| SWAPPING to +9 broad axe "Kosum" {antimagic,
                  | rC+}.
 27736 | D:14     | 27736 ||| SWAPPING to +6 heavy broad axe.
 27737 | D:14     | 27737 ||| SWAPPING to +9 broad axe "Kosum" {antimagic,
                  | rC+}.
 27738 | D:14     | 27738 ||| SWAPPING to +6 heavy broad axe.
 27739 | D:14     | 27739 ||| SWAPPING to +9 broad axe "Kosum" {antimagic,
                  | rC+}.
 27740 | D:14     | 27740 ||| SWAPPING to +6 heavy broad axe.
 27741 | D:14     | 27741 ||| SWAPPING to +9 broad axe "Kosum" {antimagic,
                  | rC+}.
 27742 | D:14     | 27742 ||| SWAPPING to +6 heavy broad axe.
 27743 | D:14     | 27743 ||| SWAPPING to +9 broad axe "Kosum" {antimagic,
                  | rC+}.
 27744 | D:14     | 27744 ||| SWAPPING to +6 heavy broad axe.
 27745 | D:14     | 27745 ||| SWAPPING to +9 broad axe "Kosum" {antimagic,
                  | rC+}.
 27746 | D:14     | 27746 ||| SWAPPING to +6 heavy broad axe.
 27747 | D:14     | 27747 ||| SWAPPING to +9 broad axe "Kosum" {antimagic,
                  | rC+}.
 27748 | D:14     | 27748 ||| SWAPPING to +6 heavy broad axe.
 27749 | D:14     | 27749 ||| SWAPPING to +9 broad axe "Kosum" {antimagic,
                  | rC+}.
 27750 | D:14     | 27750 ||| SWAPPING to +6 heavy broad axe.
 27751 | D:14     | 27751 ||| SWAPPING to +9 broad axe "Kosum" {antimagic,
                  | rC+}.
 27752 | D:14     | 27752 ||| SWAPPING to +6 heavy broad axe.
 27753 | D:14     | 27753 ||| SWAPPING to +9 broad axe "Kosum" {antimagic,
                  | rC+}.
 27754 | D:14     | 27754 ||| SWAPPING to +6 heavy broad axe.
 27755 | D:14     | 27755 ||| SWAPPING to +9 broad axe "Kosum" {antimagic,
                  | rC+}.
 27756 | D:14     | 27756 ||| SWAPPING to +6 heavy broad axe.
 27757 | D:14     | 27757 ||| SWAPPING to +9 broad axe "Kosum" {antimagic,
                  | rC+}.
 27758 | D:14     | 27758 ||| SWAPPING to +6 heavy broad axe.
 27759 | D:14     | 27759 ||| SWAPPING to +9 broad axe "Kosum" {antimagic,
                  | rC+}.
 27760 | D:14     | 27760 ||| SWAPPING to +6 heavy broad axe.
 27761 | D:14     | 27761 ||| SWAPPING to +9 broad axe "Kosum" {antimagic,
                  | rC+}.
 27762 | D:14     | 27762 ||| SWAPPING to +6 heavy broad axe.
 27763 | D:14     | 27763 ||| SWAPPING to +9 broad axe "Kosum" {antimagic,
                  | rC+}.
 27764 | D:14     | 27764 ||| SWAPPING to +6 heavy broad axe.
 27765 | D:14     | 27765 ||| SWAPPING to +9 broad axe "Kosum" {antimagic,
                  | rC+}.
 27766 | D:14     | 27766 ||| SWAPPING to +6 heavy broad axe.
 27767 | D:14     | 27767 ||| SWAPPING to +9 broad axe "Kosum" {antimagic,
                  | rC+}.
 27768 | D:14     | 27768 ||| SWAPPING to +6 heavy broad axe.
 27769 | D:14     | 27769 ||| SWAPPING to +9 broad axe "Kosum" {antimagic,
                  | rC+}.
 27770 | D:14     | 27770 ||| SWAPPING to +6 heavy broad axe.
 27771 | D:14     | 27771 ||| SWAPPING to +9 broad axe "Kosum" {antimagic,
                  | rC+}.
 27772 | D:14     | 27772 ||| SWAPPING to +6 heavy broad axe.
 27773 | D:14     | 27773 ||| SWAPPING to +9 broad axe "Kosum" {antimagic,
                  | rC+}.
 27774 | D:14     | 27774 ||| SWAPPING to +6 heavy broad axe.
 27775 | D:14     | 27775 ||| SWAPPING to +9 broad axe "Kosum" {antimagic,
                  | rC+}.
 27776 | D:14     | 27776 ||| SWAPPING to +6 heavy broad axe.
 27777 | D:14     | 27777 ||| SWAPPING to +9 broad axe "Kosum" {antimagic,
                  | rC+}.
 27778 | D:14     | 27778 ||| SWAPPING to +6 heavy broad axe.
 27779 | D:14     | 27779 ||| SWAPPING to +9 broad axe "Kosum" {antimagic,
                  | rC+}.
 27780 | D:14     | 27780 ||| SWAPPING to +6 heavy broad axe.
 27781 | D:14     | 27781 ||| SWAPPING to +9 broad axe "Kosum" {antimagic,
                  | rC+}.
 27782 | D:14     | 27782 ||| SWAPPING to +6 heavy broad axe.
 27783 | D:14     | 27783 ||| SWAPPING to +9 broad axe "Kosum" {antimagic,
                  | rC+}.
 27784 | D:14     | 27784 ||| SWAPPING to +6 heavy broad axe.
 27785 | D:14     | 27785 ||| SWAPPING to +9 broad axe "Kosum" {antimagic,
                  | rC+}.
 27786 | D:14     | 27786 ||| SWAPPING to +6 heavy broad axe.
 27787 | D:14     | 27787 ||| SWAPPING to +9 broad axe "Kosum" {antimagic,
                  | rC+}.
 27788 | D:14     | 27788 ||| SWAPPING to +6 heavy broad axe.
 27789 | D:14     | 27789 ||| SWAPPING to +9 broad axe "Kosum" {antimagic,
                  | rC+}.
 27790 | D:14     | 27790 ||| SWAPPING to +6 heavy broad axe.
 27791 | D:14     | 27791 ||| SWAPPING to +9 broad axe "Kosum" {antimagic,
                  | rC+}.
 27792 | D:14     | 27792 ||| SWAPPING to +6 heavy broad axe.
 27793 | D:14     | 27793 ||| SWAPPING to +9 broad axe "Kosum" {antimagic,
                  | rC+}.
 27794 | D:14     | 27794 ||| SWAPPING to +6 heavy broad axe.
 27795 | D:14     | 27795 ||| SWAPPING to +9 broad axe "Kosum" {antimagic,
                  | rC+}.
 27796 | D:14     | 27796 ||| SWAPPING to +6 heavy broad axe.
 27797 | D:14     | 27797 ||| SWAPPING to +9 broad axe "Kosum" {antimagic,
                  | rC+}.
 27798 | D:14     | 27798 ||| SWAPPING to +6 heavy broad axe.
 27799 | D:14     | 27799 ||| SWAPPING to +9 broad axe "Kosum" {antimagic,
                  | rC+}.
 27800 | D:14     | 27800 ||| SWAPPING to +6 heavy broad axe.
 27801 | D:14     | 27801 ||| SWAPPING to +9 broad axe "Kosum" {antimagic,
                  | rC+}.
 27802 | D:14     | 27802 ||| SWAPPING to +6 heavy broad axe.
 27803 | D:14     | 27803 ||| SWAPPING to +9 broad axe "Kosum" {antimagic,
                  | rC+}.
 27804 | D:14     | 27804 ||| SWAPPING to +6 heavy broad axe.
 27805 | D:14     | 27805 ||| SWAPPING to +9 broad axe "Kosum" {antimagic,
                  | rC+}.
 27806 | D:14     | 27806 ||| SWAPPING to +6 heavy broad axe.
 27807 | D:14     | 27807 ||| SWAPPING to +9 broad axe "Kosum" {antimagic,
                  | rC+}.
 27808 | D:14     | 27808 ||| SWAPPING to +6 heavy broad axe.
 27809 | D:14     | 27809 ||| SWAPPING to +9 broad axe "Kosum" {antimagic,
                  | rC+}.
 27810 | D:14     | 27810 ||| SWAPPING to +6 heavy broad axe.
 27811 | D:14     | 27811 ||| SWAPPING to +9 broad axe "Kosum" {antimagic,
                  | rC+}.
 27812 | D:14     | 27812 ||| SWAPPING to +6 heavy broad axe.
 27813 | D:14     | 27813 ||| SWAPPING to +9 broad axe "Kosum" {antimagic,
                  | rC+}.
 27814 | D:14     | 27814 ||| SWAPPING to +6 heavy broad axe.
 27815 | D:14     | 27815 ||| SWAPPING to +9 broad axe "Kosum" {antimagic,
                  | rC+}.
 27816 | D:14     | 27816 ||| SWAPPING to +6 heavy broad axe.
 27817 | D:14     | 27817 ||| SWAPPING to +9 broad axe "Kosum" {antimagic,
                  | rC+}.
 27818 | D:14     | 27818 ||| SWAPPING to +6 heavy broad axe.
 27819 | D:14     | 27819 ||| SWAPPING to +9 broad axe "Kosum" {antimagic,
                  | rC+}.
 27820 | D:14     | 27820 ||| SWAPPING to +6 heavy broad axe.
 27821 | D:14     | 27821 ||| SWAPPING to +9 broad axe "Kosum" {antimagic,
                  | rC+}.
 27822 | D:14     | 27822 ||| SWAPPING to +6 heavy broad axe.
 27823 | D:14     | 27823 ||| SWAPPING to +9 broad axe "Kosum" {antimagic,
                  | rC+}.
 27824 | D:14     | 27824 ||| SWAPPING to +6 heavy broad axe.
 27825 | D:14     | 27825 ||| SWAPPING to +9 broad axe "Kosum" {antimagic,
                  | rC+}.
 27826 | D:14     | 27826 ||| SWAPPING to +6 heavy broad axe.
 27827 | D:14     | 27827 ||| SWAPPING to +9 broad axe "Kosum" {antimagic,
                  | rC+}.
 27828 | D:14     | 27828 ||| SWAPPING to +6 heavy broad axe.
 27829 | D:14     | 27829 ||| SWAPPING to +9 broad axe "Kosum" {antimagic,
                  | rC+}.
 27830 | D:14     | 27830 ||| SWAPPING to +6 heavy broad axe.
 27831 | D:14     | 27831 ||| SWAPPING to +9 broad axe "Kosum" {antimagic,
                  | rC+}.
 27832 | D:14     | 27832 ||| SWAPPING to +6 heavy broad axe.
 27833 | D:14     | 27833 ||| SWAPPING to +9 broad axe "Kosum" {antimagic,
                  | rC+}.
 27834 | D:14     | 27834 ||| SWAPPING to +6 heavy broad axe.
 27835 | D:14     | 27835 ||| SWAPPING to +9 broad axe "Kosum" {antimagic,
                  | rC+}.
 27836 | D:14     | 27836 ||| SWAPPING to +6 heavy broad axe.
 27837 | D:14     | 27837 ||| SWAPPING to +9 broad axe "Kosum" {antimagic,
                  | rC+}.
 27838 | D:14     | 27838 ||| SWAPPING to +6 heavy broad axe.
 27839 | D:14     | 27839 ||| SWAPPING to +9 broad axe "Kosum" {antimagic,
                  | rC+}.
 27840 | D:14     | 27840 ||| SWAPPING to +6 heavy broad axe.
 27841 | D:14     | 27841 ||| SWAPPING to +9 broad axe "Kosum" {antimagic,
                  | rC+}.
 27842 | D:14     | 27842 ||| SWAPPING to +6 heavy broad axe.
 27843 | D:14     | 27843 ||| SWAPPING to +9 broad axe "Kosum" {antimagic,
                  | rC+}.
 27844 | D:14     | 27844 ||| SWAPPING to +6 heavy broad axe.
 27845 | D:14     | 27845 ||| SWAPPING to +9 broad axe "Kosum" {antimagic,
                  | rC+}.
 27846 | D:14     | 27846 ||| SWAPPING to +6 heavy broad axe.
 27847 | D:14     | 27847 ||| SWAPPING to +9 broad axe "Kosum" {antimagic,
                  | rC+}.
 27848 | D:14     | 27848 ||| SWAPPING to +6 heavy broad axe.
 27849 | D:14     | 27849 ||| SWAPPING to +9 broad axe "Kosum" {antimagic,
                  | rC+}.
 27850 | D:14     | 27850 ||| SWAPPING to +6 heavy broad axe.
 27851 | D:14     | 27851 ||| SWAPPING to +9 broad axe "Kosum" {antimagic,
                  | rC+}.
 27852 | D:14     | 27852 ||| SWAPPING to +6 heavy broad axe.
 27853 | D:14     | 27853 ||| SWAPPING to +9 broad axe "Kosum" {antimagic,
                  | rC+}.
 27854 | D:14     | 27854 ||| SWAPPING to +6 heavy broad axe.
 27855 | D:14     | 27855 ||| SWAPPING to +9 broad axe "Kosum" {antimagic,
                  | rC+}.
 27856 | D:14     | 27856 ||| SWAPPING to +6 heavy broad axe.
 27857 | D:14     | 27857 ||| SWAPPING to +9 broad axe "Kosum" {antimagic,
                  | rC+}.
 27858 | D:14     | 27858 ||| SWAPPING to +6 heavy broad axe.
 27859 | D:14     | 27859 ||| SWAPPING to +9 broad axe "Kosum" {antimagic,
                  | rC+}.
 27860 | D:14     | 27860 ||| SWAPPING to +6 heavy broad axe.
 27861 | D:14     | 27861 ||| SWAPPING to +9 broad axe "Kosum" {antimagic,
                  | rC+}.
 27862 | D:14     | 27862 ||| SWAPPING to +6 heavy broad axe.
 27863 | D:14     | 27863 ||| SWAPPING to +9 broad axe "Kosum" {antimagic,
                  | rC+}.
 27864 | D:14     | 27864 ||| SWAPPING to +6 heavy broad axe.
 27865 | D:14     | 27865 ||| SWAPPING to +9 broad axe "Kosum" {antimagic,
                  | rC+}.
 27866 | D:14     | 27866 ||| SWAPPING to +6 heavy broad axe.
 27867 | D:14     | 27867 ||| SWAPPING to +9 broad axe "Kosum" {antimagic,
                  | rC+}.
 27868 | D:14     | 27868 ||| SWAPPING to +6 heavy broad axe.
 27869 | D:14     | 27869 ||| SWAPPING to +9 broad axe "Kosum" {antimagic,
                  | rC+}.
 27870 | D:14     | 27870 ||| SWAPPING to +6 heavy broad axe.
 27871 | D:14     | 27871 ||| SWAPPING to +9 broad axe "Kosum" {antimagic,
                  | rC+}.
 27872 | D:14     | 27872 ||| SWAPPING to +6 heavy broad axe.
 27873 | D:14     | 27873 ||| SWAPPING to +9 broad axe "Kosum" {antimagic,
                  | rC+}.
 27874 | D:14     | 27874 ||| SWAPPING to +6 heavy broad axe.
 27875 | D:14     | 27875 ||| SWAPPING to +9 broad axe "Kosum" {antimagic,
                  | rC+}.
 27876 | D:14     | 27876 ||| SWAPPING to +6 heavy broad axe.
 27877 | D:14     | 27877 ||| SWAPPING to +9 broad axe "Kosum" {antimagic,
                  | rC+}.
 27878 | D:14     | 27878 ||| SWAPPING to +6 heavy broad axe.
 27879 | D:14     | 27879 ||| SWAPPING to +9 broad axe "Kosum" {antimagic,
                  | rC+}.
 27880 | D:14     | 27880 ||| SWAPPING to +6 heavy broad axe.
 27881 | D:14     | 27881 ||| SWAPPING to +9 broad axe "Kosum" {antimagic,
                  | rC+}.
 27882 | D:14     | 27882 ||| SWAPPING to +6 heavy broad axe.
 27883 | D:14     | 27883 ||| SWAPPING to +9 broad axe "Kosum" {antimagic,
                  | rC+}.
 27884 | D:14     | 27884 ||| SWAPPING to +6 heavy broad axe.
 27885 | D:14     | 27885 ||| SWAPPING to +9 broad axe "Kosum" {antimagic,
                  | rC+}.
 27886 | D:14     | 27886 ||| SWAPPING to +6 heavy broad axe.
 27887 | D:14     | 27887 ||| SWAPPING to +9 broad axe "Kosum" {antimagic,
                  | rC+}.
 27888 | D:14     | 27888 ||| SWAPPING to +6 heavy broad axe.
 27889 | D:14     | 27889 ||| SWAPPING to +9 broad axe "Kosum" {antimagic,
                  | rC+}.
 27890 | D:14     | 27890 ||| SWAPPING to +6 heavy broad axe.
 27891 | D:14     | 27891 ||| SWAPPING to +9 broad axe "Kosum" {antimagic,
                  | rC+}.
 27892 | D:14     | 27892 ||| SWAPPING to +6 heavy broad axe.
 27893 | D:14     | 27893 ||| SWAPPING to +9 broad axe "Kosum" {antimagic,
                  | rC+}.
 27894 | D:14     | 27894 ||| SWAPPING to +6 heavy broad axe.
 27895 | D:14     | 27895 ||| SWAPPING to +9 broad axe "Kosum" {antimagic,
                  | rC+}.
 27896 | D:14     | 27896 ||| SWAPPING to +6 heavy broad axe.
 27897 | D:14     | 27897 ||| SWAPPING to +9 broad axe "Kosum" {antimagic,
                  | rC+}.
 27898 | D:14     | 27898 ||| SWAPPING to +6 heavy broad axe.
 27899 | D:14     | 27899 ||| SWAPPING to +9 broad axe "Kosum" {antimagic,
                  | rC+}.
 27900 | D:14     | 27900 ||| SWAPPING to +6 heavy broad axe.
 27901 | D:14     | 27901 ||| SWAPPING to +9 broad axe "Kosum" {antimagic,
                  | rC+}.
 27902 | D:14     | 27902 ||| SWAPPING to +6 heavy broad axe.
 27903 | D:14     | 27903 ||| SWAPPING to +9 broad axe "Kosum" {antimagic,
                  | rC+}.
 27904 | D:14     | 27904 ||| SWAPPING to +6 heavy broad axe.
 27905 | D:14     | 27905 ||| SWAPPING to +9 broad axe "Kosum" {antimagic,
                  | rC+}.
 27906 | D:14     | 27906 ||| SWAPPING to +6 heavy broad axe.
 27907 | D:14     | 27907 ||| SWAPPING to +9 broad axe "Kosum" {antimagic,
                  | rC+}.
 27908 | D:14     | 27908 ||| SWAPPING to +6 heavy broad axe.
 27909 | D:14     | 27909 ||| SWAPPING to +9 broad axe "Kosum" {antimagic,
                  | rC+}.
 27910 | D:14     | 27910 ||| SWAPPING to +6 heavy broad axe.
 27911 | D:14     | 27911 ||| SWAPPING to +9 broad axe "Kosum" {antimagic,
                  | rC+}.
 27912 | D:14     | 27912 ||| SWAPPING to +6 heavy broad axe.
 27913 | D:14     | 27913 ||| SWAPPING to +9 broad axe "Kosum" {antimagic,
                  | rC+}.
 27914 | D:14     | 27914 ||| SWAPPING to +6 heavy broad axe.
 27915 | D:14     | 27915 ||| SWAPPING to +9 broad axe "Kosum" {antimagic,
                  | rC+}.
 27916 | D:14     | 27916 ||| SWAPPING to +6 heavy broad axe.
 27917 | D:14     | 27917 ||| SWAPPING to +9 broad axe "Kosum" {antimagic,
                  | rC+}.
 27918 | D:14     | 27918 ||| SWAPPING to +6 heavy broad axe.
 27919 | D:14     | 27919 ||| SWAPPING to +9 broad axe "Kosum" {antimagic,
                  | rC+}.
 27920 | D:14     | 27920 ||| SWAPPING to +6 heavy broad axe.
 27921 | D:14     | 27921 ||| SWAPPING to +9 broad axe "Kosum" {antimagic,
                  | rC+}.
 27922 | D:14     | 27922 ||| SWAPPING to +6 heavy broad axe.
 27923 | D:14     | 27923 ||| SWAPPING to +9 broad axe "Kosum" {antimagic,
                  | rC+}.
 27924 | D:14     | 27924 ||| SWAPPING to +6 heavy broad axe.
 27925 | D:14     | 27925 ||| SWAPPING to +9 broad axe "Kosum" {antimagic,
                  | rC+}.
 27926 | D:14     | 27926 ||| SWAPPING to +6 heavy broad axe.
 27927 | D:14     | 27927 ||| SWAPPING to +9 broad axe "Kosum" {antimagic,
                  | rC+}.
 27928 | D:14     | 27928 ||| SWAPPING to +6 heavy broad axe.
 27929 | D:14     | 27929 ||| SWAPPING to +9 broad axe "Kosum" {antimagic,
                  | rC+}.
 27930 | D:14     | 27930 ||| SWAPPING to +6 heavy broad axe.
 27931 | D:14     | 27931 ||| SWAPPING to +9 broad axe "Kosum" {antimagic,
                  | rC+}.
 27932 | D:14     | 27932 ||| SWAPPING to +6 heavy broad axe.
 27933 | D:14     | 27933 ||| SWAPPING to +9 broad axe "Kosum" {antimagic,
                  | rC+}.
 27934 | D:14     | 27934 ||| SWAPPING to +6 heavy broad axe.
 27935 | D:14     | 27935 ||| SWAPPING to +9 broad axe "Kosum" {antimagic,
                  | rC+}.
 27936 | D:14     | 27936 ||| SWAPPING to +6 heavy broad axe.
 27937 | D:14     | 27937 ||| SWAPPING to +9 broad axe "Kosum" {antimagic,
                  | rC+}.
 27938 | D:14     | 27938 ||| SWAPPING to +6 heavy broad axe.
 27939 | D:14     | 27939 ||| SWAPPING to +9 broad axe "Kosum" {antimagic,
                  | rC+}.
 27940 | D:14     | 27940 ||| SWAPPING to +6 heavy broad axe.
 27941 | D:14     | 27941 ||| SWAPPING to +9 broad axe "Kosum" {antimagic,
                  | rC+}.
 27942 | D:14     | 27942 ||| SWAPPING to +6 heavy broad axe.
 27943 | D:14     | 27943 ||| SWAPPING to +9 broad axe "Kosum" {antimagic,
                  | rC+}.
 27944 | D:14     | 27944 ||| SWAPPING to +6 heavy broad axe.
 27945 | D:14     | 27945 ||| SWAPPING to +9 broad axe "Kosum" {antimagic,
                  | rC+}.
 27946 | D:14     | 27946 ||| SWAPPING to +6 heavy broad axe.
 27947 | D:14     | 27947 ||| SWAPPING to +9 broad axe "Kosum" {antimagic,
                  | rC+}.
 27948 | D:14     | 27948 ||| SWAPPING to +6 heavy broad axe.
 27949 | D:14     | 27949 ||| SWAPPING to +9 broad axe "Kosum" {antimagic,
                  | rC+}.
 27950 | D:14     | 27950 ||| SWAPPING to +6 heavy broad axe.
 27951 | D:14     | 27951 ||| SWAPPING to +9 broad axe "Kosum" {antimagic,
                  | rC+}.
 27952 | D:14     | 27952 ||| SWAPPING to +6 heavy broad axe.
 27953 | D:14     | 27953 ||| SWAPPING to +9 broad axe "Kosum" {antimagic,
                  | rC+}.
 27954 | D:14     | 27954 ||| SWAPPING to +6 heavy broad axe.
 27955 | D:14     | 27955 ||| SWAPPING to +9 broad axe "Kosum" {antimagic,
                  | rC+}.
 27956 | D:14     | 27956 ||| SWAPPING to +6 heavy broad axe.
 27957 | D:14     | 27957 ||| SWAPPING to +9 broad axe "Kosum" {antimagic,
                  | rC+}.
 27958 | D:14     | 27958 ||| SWAPPING to +6 heavy broad axe.
 27959 | D:14     | 27959 ||| SWAPPING to +9 broad axe "Kosum" {antimagic,
                  | rC+}.
 27960 | D:14     | 27960 ||| SWAPPING to +6 heavy broad axe.
 27961 | D:14     | 27961 ||| SWAPPING to +9 broad axe "Kosum" {antimagic,
                  | rC+}.
 27962 | D:14     | 27962 ||| SWAPPING to +6 heavy broad axe.
 27963 | D:14     | 27963 ||| SWAPPING to +9 broad axe "Kosum" {antimagic,
                  | rC+}.
 27964 | D:14     | 27964 ||| SWAPPING to +6 heavy broad axe.
 27965 | D:14     | 27965 ||| SWAPPING to +9 broad axe "Kosum" {antimagic,
                  | rC+}.
 27966 | D:14     | 27966 ||| SWAPPING to +6 heavy broad axe.
 27967 | D:14     | 27967 ||| SWAPPING to +9 broad axe "Kosum" {antimagic,
                  | rC+}.
 27968 | D:14     | 27968 ||| SWAPPING to +6 heavy broad axe.
 27969 | D:14     | 27969 ||| SWAPPING to +9 broad axe "Kosum" {antimagic,
                  | rC+}.
 27970 | D:14     | 27970 ||| SWAPPING to +6 heavy broad axe.
 27971 | D:14     | 27971 ||| SWAPPING to +9 broad axe "Kosum" {antimagic,
                  | rC+}.
 27972 | D:14     | 27972 ||| SWAPPING to +6 heavy broad axe.
 27973 | D:14     | 27973 ||| SWAPPING to +9 broad axe "Kosum" {antimagic,
                  | rC+}.
 27974 | D:14     | 27974 ||| SWAPPING to +6 heavy broad axe.
 27975 | D:14     | 27975 ||| SWAPPING to +9 broad axe "Kosum" {antimagic,
                  | rC+}.
 27976 | D:14     | 27976 ||| SWAPPING to +6 heavy broad axe.
 27977 | D:14     | 27977 ||| SWAPPING to +9 broad axe "Kosum" {antimagic,
                  | rC+}.
 27978 | D:14     | 27978 ||| SWAPPING to +6 heavy broad axe.
 27979 | D:14     | 27979 ||| SWAPPING to +9 broad axe "Kosum" {antimagic,
                  | rC+}.
 27980 | D:14     | 27980 ||| SWAPPING to +6 heavy broad axe.
 27981 | D:14     | 27981 ||| SWAPPING to +9 broad axe "Kosum" {antimagic,
                  | rC+}.
 27982 | D:14     | 27982 ||| SWAPPING to +6 heavy broad axe.
 27983 | D:14     | 27983 ||| SWAPPING to +9 broad axe "Kosum" {antimagic,
                  | rC+}.
 27984 | D:14     | 27984 ||| SWAPPING to +6 heavy broad axe.
 27985 | D:14     | 27985 ||| SWAPPING to +9 broad axe "Kosum" {antimagic,
                  | rC+}.
 27986 | D:14     | 27986 ||| SWAPPING to +6 heavy broad axe.
 27987 | D:14     | 27987 ||| SWAPPING to +9 broad axe "Kosum" {antimagic,
                  | rC+}.
 27988 | D:14     | 27988 ||| SWAPPING to +6 heavy broad axe.
 27989 | D:14     | 27989 ||| SWAPPING to +9 broad axe "Kosum" {antimagic,
                  | rC+}.
 27990 | D:14     | 27990 ||| SWAPPING to +6 heavy broad axe.
 27991 | D:14     | 27991 ||| SWAPPING to +9 broad axe "Kosum" {antimagic,
                  | rC+}.
 27992 | D:14     | 27992 ||| SWAPPING to +6 heavy broad axe.
 27993 | D:14     | 27993 ||| SWAPPING to +9 broad axe "Kosum" {antimagic,
                  | rC+}.
 27994 | D:14     | 27994 ||| SWAPPING to +6 heavy broad axe.
 27995 | D:14     | 27995 ||| SWAPPING to +9 broad axe "Kosum" {antimagic,
                  | rC+}.
 27996 | D:14     | 27996 ||| SWAPPING to +6 heavy broad axe.
 27997 | D:14     | 27997 ||| SWAPPING to +9 broad axe "Kosum" {antimagic,
                  | rC+}.
 27998 | D:14     | 27998 ||| SWAPPING to +6 heavy broad axe.
 27999 | D:14     | 27999 ||| SWAPPING to +9 broad axe "Kosum" {antimagic,
                  | rC+}.
 28000 | D:14     | 28000 ||| SWAPPING to +6 heavy broad axe.
 28001 | D:14     | 28001 ||| SWAPPING to +9 broad axe "Kosum" {antimagic,
                  | rC+}.
 28002 | D:14     | 28002 ||| SWAPPING to +6 heavy broad axe.
 28003 | D:14     | 28003 ||| SWAPPING to +9 broad axe "Kosum" {antimagic,
                  | rC+}.
 28004 | D:14     | 28004 ||| SWAPPING to +6 heavy broad axe.
 28005 | D:14     | 28005 ||| SWAPPING to +9 broad axe "Kosum" {antimagic,
                  | rC+}.
 28006 | D:14     | 28006 ||| SWAPPING to +6 heavy broad axe.
 28007 | D:14     | 28007 ||| SWAPPING to +9 broad axe "Kosum" {antimagic,
                  | rC+}.
 28008 | D:14     | 28008 ||| SWAPPING to +6 heavy broad axe.
 28009 | D:14     | 28009 ||| SWAPPING to +9 broad axe "Kosum" {antimagic,
                  | rC+}.
 28010 | D:14     | 28010 ||| SWAPPING to +6 heavy broad axe.
 28011 | D:14     | 28011 ||| SWAPPING to +9 broad axe "Kosum" {antimagic,
                  | rC+}.
 28012 | D:14     | 28012 ||| SWAPPING to +6 heavy broad axe.
 28013 | D:14     | 28013 ||| SWAPPING to +9 broad axe "Kosum" {antimagic,
                  | rC+}.
 28014 | D:14     | 28014 ||| SWAPPING to +6 heavy broad axe.
 28015 | D:14     | 28015 ||| SWAPPING to +9 broad axe "Kosum" {antimagic,
                  | rC+}.
 28016 | D:14     | 28016 ||| SWAPPING to +6 heavy broad axe.
 28017 | D:14     | 28017 ||| SWAPPING to +9 broad axe "Kosum" {antimagic,
                  | rC+}.
 28018 | D:14     | 28018 ||| SWAPPING to +6 heavy broad axe.
 28019 | D:14     | 28019 ||| SWAPPING to +9 broad axe "Kosum" {antimagic,
                  | rC+}.
 28020 | D:14     | 28020 ||| SWAPPING to +6 heavy broad axe.
 28021 | D:14     | 28021 ||| SWAPPING to +9 broad axe "Kosum" {antimagic,
                  | rC+}.
 28022 | D:14     | 28022 ||| SWAPPING to +6 heavy broad axe.
 28023 | D:14     | 28023 ||| SWAPPING to +9 broad axe "Kosum" {antimagic,
                  | rC+}.
 28024 | D:14     | 28024 ||| SWAPPING to +6 heavy broad axe.
 28025 | D:14     | 28025 ||| SWAPPING to +9 broad axe "Kosum" {antimagic,
                  | rC+}.
 28026 | D:14     | 28026 ||| SWAPPING to +6 heavy broad axe.
 28027 | D:14     | 28027 ||| SWAPPING to +9 broad axe "Kosum" {antimagic,
                  | rC+}.
 28028 | D:14     | 28028 ||| SWAPPING to +6 heavy broad axe.
 28029 | D:14     | 28029 ||| SWAPPING to +9 broad axe "Kosum" {antimagic,
                  | rC+}.
 28030 | D:14     | 28030 ||| SWAPPING to +6 heavy broad axe.
 28031 | D:14     | 28031 ||| SWAPPING to +9 broad axe "Kosum" {antimagic,
                  | rC+}.
 28032 | D:14     | 28032 ||| SWAPPING to +6 heavy broad axe.
 28033 | D:14     | 28033 ||| SWAPPING to +9 broad axe "Kosum" {antimagic,
                  | rC+}.
 28034 | D:14     | 28034 ||| SWAPPING to +6 heavy broad axe.
 28035 | D:14     | 28035 ||| SWAPPING to +9 broad axe "Kosum" {antimagic,
                  | rC+}.
 28036 | D:14     | 28036 ||| SWAPPING to +6 heavy broad axe.
 28037 | D:14     | 28037 ||| SWAPPING to +9 broad axe "Kosum" {antimagic,
                  | rC+}.
 28038 | D:14     | 28038 ||| SWAPPING to +6 heavy broad axe.
 28039 | D:14     | 28039 ||| SWAPPING to +9 broad axe "Kosum" {antimagic,
                  | rC+}.
 28040 | D:14     | 28040 ||| SWAPPING to +6 heavy broad axe.
 28041 | D:14     | 28041 ||| SWAPPING to +9 broad axe "Kosum" {antimagic,
                  | rC+}.
 28042 | D:14     | 28042 ||| SWAPPING to +6 heavy broad axe.
 28043 | D:14     | 28043 ||| SWAPPING to +9 broad axe "Kosum" {antimagic,
                  | rC+}.
 28044 | D:14     | 28044 ||| SWAPPING to +6 heavy broad axe.
 28045 | D:14     | 28045 ||| SWAPPING to +9 broad axe "Kosum" {antimagic,
                  | rC+}.
 28046 | D:14     | 28046 ||| SWAPPING to +6 heavy broad axe.
 28047 | D:14     | 28047 ||| SWAPPING to +9 broad axe "Kosum" {antimagic,
                  | rC+}.
 28048 | D:14     | 28048 ||| SWAPPING to +6 heavy broad axe.
 28049 | D:14     | 28049 ||| SWAPPING to +9 broad axe "Kosum" {antimagic,
                  | rC+}.
 28050 | D:14     | 28050 ||| SWAPPING to +6 heavy broad axe.
 28051 | D:14     | 28051 ||| SWAPPING to +9 broad axe "Kosum" {antimagic,
                  | rC+}.
 28052 | D:14     | 28052 ||| SWAPPING to +6 heavy broad axe.
 28053 | D:14     | 28053 ||| SWAPPING to +9 broad axe "Kosum" {antimagic,
                  | rC+}.
 28054 | D:14     | 28054 ||| SWAPPING to +6 heavy broad axe.
 28055 | D:14     | 28055 ||| SWAPPING to +9 broad axe "Kosum" {antimagic,
                  | rC+}.
 28056 | D:14     | 28056 ||| SWAPPING to +6 heavy broad axe.
 28057 | D:14     | 28057 ||| SWAPPING to +9 broad axe "Kosum" {antimagic,
                  | rC+}.
 28058 | D:14     | 28058 ||| SWAPPING to +6 heavy broad axe.
 28059 | D:14     | 28059 ||| SWAPPING to +9 broad axe "Kosum" {antimagic,
                  | rC+}.
 28060 | D:14     | 28060 ||| SWAPPING to +6 heavy broad axe.
 28061 | D:14     | 28061 ||| SWAPPING to +9 broad axe "Kosum" {antimagic,
                  | rC+}.
 28062 | D:14     | 28062 ||| SWAPPING to +6 heavy broad axe.
 28063 | D:14     | 28063 ||| SWAPPING to +9 broad axe "Kosum" {antimagic,
                  | rC+}.
 28064 | D:14     | 28064 ||| SWAPPING to +6 heavy broad axe.
 28065 | D:14     | 28065 ||| SWAPPING to +9 broad axe "Kosum" {antimagic,
                  | rC+}.
 28066 | D:14     | 28066 ||| SWAPPING to +6 heavy broad axe.
 28067 | D:14     | 28067 ||| SWAPPING to +9 broad axe "Kosum" {antimagic,
                  | rC+}.
 28068 | D:14     | 28068 ||| SWAPPING to +6 heavy broad axe.
 28069 | D:14     | 28069 ||| SWAPPING to +9 broad axe "Kosum" {antimagic,
                  | rC+}.
 28070 | D:14     | 28070 ||| SWAPPING to +6 heavy broad axe.
 28071 | D:14     | 28071 ||| SWAPPING to +9 broad axe "Kosum" {antimagic,
                  | rC+}.
 28072 | D:14     | 28072 ||| SWAPPING to +6 heavy broad axe.
 28073 | D:14     | 28073 ||| SWAPPING to +9 broad axe "Kosum" {antimagic,
                  | rC+}.
 28074 | D:14     | 28074 ||| SWAPPING to +6 heavy broad axe.
 28075 | D:14     | 28075 ||| SWAPPING to +9 broad axe "Kosum" {antimagic,
                  | rC+}.
 28076 | D:14     | 28076 ||| SWAPPING to +6 heavy broad axe.
 28077 | D:14     | 28077 ||| SWAPPING to +9 broad axe "Kosum" {antimagic,
                  | rC+}.
 28078 | D:14     | 28078 ||| SWAPPING to +6 heavy broad axe.
 28079 | D:14     | 28079 ||| SWAPPING to +9 broad axe "Kosum" {antimagic,
                  | rC+}.
 28080 | D:14     | 28080 ||| SWAPPING to +6 heavy broad axe.
 28081 | D:14     | 28081 ||| SWAPPING to +9 broad axe "Kosum" {antimagic,
                  | rC+}.
 28082 | D:14     | 28082 ||| SWAPPING to +6 heavy broad axe.
 28083 | D:14     | 28083 ||| SWAPPING to +9 broad axe "Kosum" {antimagic,
                  | rC+}.
 28084 | D:14     | 28084 ||| SWAPPING to +6 heavy broad axe.
 28085 | D:14     | 28085 ||| SWAPPING to +9 broad axe "Kosum" {antimagic,
                  | rC+}.
 28086 | D:14     | 28086 ||| SWAPPING to +6 heavy broad axe.
 28087 | D:14     | 28087 ||| SWAPPING to +9 broad axe "Kosum" {antimagic,
                  | rC+}.
 28088 | D:14     | 28088 ||| SWAPPING to +6 heavy broad axe.
 28089 | D:14     | 28089 ||| SWAPPING to +9 broad axe "Kosum" {antimagic,
                  | rC+}.
 28090 | D:14     | 28090 ||| SWAPPING to +6 heavy broad axe.
 28091 | D:14     | 28091 ||| SWAPPING to +9 broad axe "Kosum" {antimagic,
                  | rC+}.
 28092 | D:14     | 28092 ||| SWAPPING to +6 heavy broad axe.
 28093 | D:14     | 28093 ||| SWAPPING to +9 broad axe "Kosum" {antimagic,
                  | rC+}.
 28094 | D:14     | 28094 ||| SWAPPING to +6 heavy broad axe.
 28095 | D:14     | 28095 ||| SWAPPING to +9 broad axe "Kosum" {antimagic,
                  | rC+}.
 28096 | D:14     | 28096 ||| SWAPPING to +6 heavy broad axe.
 28097 | D:14     | 28097 ||| SWAPPING to +9 broad axe "Kosum" {antimagic,
                  | rC+}.
 28098 | D:14     | 28098 ||| SWAPPING to +6 heavy broad axe.
 28099 | D:14     | 28099 ||| SWAPPING to +9 broad axe "Kosum" {antimagic,
                  | rC+}.
 28100 | D:14     | 28100 ||| SWAPPING to +6 heavy broad axe.
 28101 | D:14     | 28101 ||| SWAPPING to +9 broad axe "Kosum" {antimagic,
                  | rC+}.
 28102 | D:14     | 28102 ||| SWAPPING to +6 heavy broad axe.
 28103 | D:14     | 28103 ||| SWAPPING to +9 broad axe "Kosum" {antimagic,
                  | rC+}.
 28104 | D:14     | 28104 ||| SWAPPING to +6 heavy broad axe.
 28105 | D:14     | 28105 ||| SWAPPING to +9 broad axe "Kosum" {antimagic,
                  | rC+}.
 28106 | D:14     | 28106 ||| SWAPPING to +6 heavy broad axe.
 28107 | D:14     | 28107 ||| SWAPPING to +9 broad axe "Kosum" {antimagic,
                  | rC+}.
 28108 | D:14     | 28108 ||| SWAPPING to +6 heavy broad axe.
 28109 | D:14     | 28109 ||| SWAPPING to +9 broad axe "Kosum" {antimagic,
                  | rC+}.
 28110 | D:14     | 28110 ||| SWAPPING to +6 heavy broad axe.
 28111 | D:14     | 28111 ||| SWAPPING to +9 broad axe "Kosum" {antimagic,
                  | rC+}.
 28112 | D:14     | 28112 ||| SWAPPING to +6 heavy broad axe.
 28113 | D:14     | 28113 ||| SWAPPING to +9 broad axe "Kosum" {antimagic,
                  | rC+}.
 28114 | D:14     | 28114 ||| SWAPPING to +6 heavy broad axe.
 28115 | D:14     | 28115 ||| SWAPPING to +9 broad axe "Kosum" {antimagic,
                  | rC+}.
 28116 | D:14     | 28116 ||| SWAPPING to +6 heavy broad axe.
 28117 | D:14     | 28117 ||| SWAPPING to +9 broad axe "Kosum" {antimagic,
                  | rC+}.
 28118 | D:14     | 28118 ||| SWAPPING to +6 heavy broad axe.
 28119 | D:14     | 28119 ||| SWAPPING to +9 broad axe "Kosum" {antimagic,
                  | rC+}.
 28120 | D:14     | 28120 ||| SWAPPING to +6 heavy broad axe.
 28121 | D:14     | 28121 ||| SWAPPING to +9 broad axe "Kosum" {antimagic,
                  | rC+}.
 28122 | D:14     | 28122 ||| SWAPPING to +6 heavy broad axe.
 28123 | D:14     | 28123 ||| SWAPPING to +9 broad axe "Kosum" {antimagic,
                  | rC+}.
 28124 | D:14     | 28124 ||| SWAPPING to +6 heavy broad axe.
 28125 | D:14     | 28125 ||| SWAPPING to +9 broad axe "Kosum" {antimagic,
                  | rC+}.
 28126 | D:14     | 28126 ||| SWAPPING to +6 heavy broad axe.
 28127 | D:14     | 28127 ||| SWAPPING to +9 broad axe "Kosum" {antimagic,
                  | rC+}.
 28128 | D:14     | 28128 ||| SWAPPING to +6 heavy broad axe.
 28129 | D:14     | 28129 ||| SWAPPING to +9 broad axe "Kosum" {antimagic,
                  | rC+}.
 28130 | D:14     | 28130 ||| SWAPPING to +6 heavy broad axe.
 28131 | D:14     | 28131 ||| SWAPPING to +9 broad axe "Kosum" {antimagic,
                  | rC+}.
 28132 | D:14     | 28132 ||| SWAPPING to +6 heavy broad axe.
 28133 | D:14     | 28133 ||| SWAPPING to +9 broad axe "Kosum" {antimagic,
                  | rC+}.
 28134 | D:14     | 28134 ||| SWAPPING to +6 heavy broad axe.
 28135 | D:14     | 28135 ||| SWAPPING to +9 broad axe "Kosum" {antimagic,
                  | rC+}.
 28136 | D:14     | 28136 ||| SWAPPING to +6 heavy broad axe.
 28137 | D:14     | 28137 ||| SWAPPING to +9 broad axe "Kosum" {antimagic,
                  | rC+}.
 28138 | D:14     | 28138 ||| SWAPPING to +6 heavy broad axe.
 28139 | D:14     | 28139 ||| SWAPPING to +9 broad axe "Kosum" {antimagic,
                  | rC+}.
 28140 | D:14     | 28140 ||| SWAPPING to +6 heavy broad axe.
 28141 | D:14     | 28141 ||| SWAPPING to +9 broad axe "Kosum" {antimagic,
                  | rC+}.
 28142 | D:14     | 28142 ||| SWAPPING to +6 heavy broad axe.
 28143 | D:14     | 28143 ||| SWAPPING to +9 broad axe "Kosum" {antimagic,
                  | rC+}.
 28144 | D:14     | 28144 ||| SWAPPING to +6 heavy broad axe.
 28145 | D:14     | 28145 ||| SWAPPING to +9 broad axe "Kosum" {antimagic,
                  | rC+}.
 28146 | D:14     | 28146 ||| SWAPPING to +6 heavy broad axe.
 28147 | D:14     | 28147 ||| SWAPPING to +9 broad axe "Kosum" {antimagic,
                  | rC+}.
 28148 | D:14     | 28148 ||| SWAPPING to +6 heavy broad axe.
 28149 | D:14     | 28149 ||| SWAPPING to +9 broad axe "Kosum" {antimagic,
                  | rC+}.
 28150 | D:14     | 28150 ||| SWAPPING to +6 heavy broad axe.
 28151 | D:14     | 28151 ||| SWAPPING to +9 broad axe "Kosum" {antimagic,
                  | rC+}.
 28152 | D:14     | 28152 ||| SWAPPING to +6 heavy broad axe.
 28153 | D:14     | 28153 ||| SWAPPING to +9 broad axe "Kosum" {antimagic,
                  | rC+}.
 28154 | D:14     | 28154 ||| SWAPPING to +6 heavy broad axe.
 28155 | D:14     | 28155 ||| SWAPPING to +9 broad axe "Kosum" {antimagic,
                  | rC+}.
 28156 | D:14     | 28156 ||| SWAPPING to +6 heavy broad axe.
 28157 | D:14     | 28157 ||| SWAPPING to +9 broad axe "Kosum" {antimagic,
                  | rC+}.
 28158 | D:14     | 28158 ||| SWAPPING to +6 heavy broad axe.
 28159 | D:14     | 28159 ||| SWAPPING to +9 broad axe "Kosum" {antimagic,
                  | rC+}.
 28160 | D:14     | 28160 ||| SWAPPING to +6 heavy broad axe.
 28161 | D:14     | 28161 ||| SWAPPING to +9 broad axe "Kosum" {antimagic,
                  | rC+}.
 28162 | D:14     | 28162 ||| SWAPPING to +6 heavy broad axe.
 28163 | D:14     | 28163 ||| SWAPPING to +9 broad axe "Kosum" {antimagic,
                  | rC+}.
 28164 | D:14     | 28164 ||| SWAPPING to +6 heavy broad axe.
 28165 | D:14     | 28165 ||| SWAPPING to +9 broad axe "Kosum" {antimagic,
                  | rC+}.
 28166 | D:14     | 28166 ||| SWAPPING to +6 heavy broad axe.
 28167 | D:14     | 28167 ||| SWAPPING to +9 broad axe "Kosum" {antimagic,
                  | rC+}.
 28168 | D:14     | 28168 ||| SWAPPING to +6 heavy broad axe.
 28169 | D:14     | 28169 ||| SWAPPING to +9 broad axe "Kosum" {antimagic,
                  | rC+}.
 28170 | D:14     | 28170 ||| SWAPPING to +6 heavy broad axe.
 28171 | D:14     | 28171 ||| SWAPPING to +9 broad axe "Kosum" {antimagic,
                  | rC+}.
 28172 | D:14     | 28172 ||| SWAPPING to +6 heavy broad axe.
 28173 | D:14     | 28173 ||| SWAPPING to +9 broad axe "Kosum" {antimagic,
                  | rC+}.
 28174 | D:14     | 28174 ||| SWAPPING to +6 heavy broad axe.
 28175 | D:14     | 28175 ||| SWAPPING to +9 broad axe "Kosum" {antimagic,
                  | rC+}.
 28176 | D:14     | 28176 ||| SWAPPING to +6 heavy broad axe.
 28177 | D:14     | 28177 ||| SWAPPING to +9 broad axe "Kosum" {antimagic,
                  | rC+}.
 28178 | D:14     | 28178 ||| SWAPPING to +6 heavy broad axe.
 28179 | D:14     | 28179 ||| SWAPPING to +9 broad axe "Kosum" {antimagic,
                  | rC+}.
 28180 | D:14     | 28180 ||| SWAPPING to +6 heavy broad axe.
 28181 | D:14     | 28181 ||| SWAPPING to +9 broad axe "Kosum" {antimagic,
                  | rC+}.
 28182 | D:14     | 28182 ||| SWAPPING to +6 heavy broad axe.
 28183 | D:14     | 28183 ||| SWAPPING to +9 broad axe "Kosum" {antimagic,
                  | rC+}.
 28184 | D:14     | 28184 ||| SWAPPING to +6 heavy broad axe.
 28185 | D:14     | 28185 ||| SWAPPING to +9 broad axe "Kosum" {antimagic,
                  | rC+}.
 28186 | D:14     | 28186 ||| SWAPPING to +6 heavy broad axe.
 28187 | D:14     | 28187 ||| SWAPPING to +9 broad axe "Kosum" {antimagic,
                  | rC+}.
 28188 | D:14     | 28188 ||| SWAPPING to +6 heavy broad axe.
 28189 | D:14     | 28189 ||| SWAPPING to +9 broad axe "Kosum" {antimagic,
                  | rC+}.
 28190 | D:14     | 28190 ||| SWAPPING to +6 heavy broad axe.
 28191 | D:14     | 28191 ||| SWAPPING to +9 broad axe "Kosum" {antimagic,
                  | rC+}.
 28192 | D:14     | 28192 ||| SWAPPING to +6 heavy broad axe.
 28193 | D:14     | 28193 ||| SWAPPING to +9 broad axe "Kosum" {antimagic,
                  | rC+}.
 28194 | D:14     | 28194 ||| SWAPPING to +6 heavy broad axe.
 28195 | D:14     | 28195 ||| SWAPPING to +9 broad axe "Kosum" {antimagic,
                  | rC+}.
 28196 | D:14     | 28196 ||| SWAPPING to +6 heavy broad axe.
 28197 | D:14     | 28197 ||| SWAPPING to +9 broad axe "Kosum" {antimagic,
                  | rC+}.
 28198 | D:14     | 28198 ||| SWAPPING to +6 heavy broad axe.
 28199 | D:14     | 28199 ||| SWAPPING to +9 broad axe "Kosum" {antimagic,
                  | rC+}.
 28200 | D:14     | 28200 ||| SWAPPING to +6 heavy broad axe.
 28201 | D:14     | 28201 ||| SWAPPING to +9 broad axe "Kosum" {antimagic,
                  | rC+}.
 28202 | D:14     | 28202 ||| SWAPPING to +6 heavy broad axe.
 28203 | D:14     | 28203 ||| SWAPPING to +9 broad axe "Kosum" {antimagic,
                  | rC+}.
 28204 | D:14     | 28204 ||| SWAPPING to +6 heavy broad axe.
 28205 | D:14     | 28205 ||| SWAPPING to +9 broad axe "Kosum" {antimagic,
                  | rC+}.
 28206 | D:14     | 28206 ||| SWAPPING to +6 heavy broad axe.
 28207 | D:14     | 28207 ||| SWAPPING to +9 broad axe "Kosum" {antimagic,
                  | rC+}.
 28208 | D:14     | 28208 ||| SWAPPING to +6 heavy broad axe.
 28209 | D:14     | 28209 ||| SWAPPING to +9 broad axe "Kosum" {antimagic,
                  | rC+}.
 28210 | D:14     | 28210 ||| SWAPPING to +6 heavy broad axe.
 28211 | D:14     | 28211 ||| SWAPPING to +9 broad axe "Kosum" {antimagic,
                  | rC+}.
 28212 | D:14     | 28212 ||| SWAPPING to +6 heavy broad axe.
 28213 | D:14     | 28213 ||| SWAPPING to +9 broad axe "Kosum" {antimagic,
                  | rC+}.
 28214 | D:14     | 28214 ||| SWAPPING to +6 heavy broad axe.
 28215 | D:14     | 28215 ||| SWAPPING to +9 broad axe "Kosum" {antimagic,
                  | rC+}.
 28216 | D:14     | 28216 ||| SWAPPING to +6 heavy broad axe.
 28217 | D:14     | 28217 ||| SWAPPING to +9 broad axe "Kosum" {antimagic,
                  | rC+}.
 28218 | D:14     | 28218 ||| SWAPPING to +6 heavy broad axe.
 28219 | D:14     | 28219 ||| SWAPPING to +9 broad axe "Kosum" {antimagic,
                  | rC+}.
 28220 | D:14     | 28220 ||| SWAPPING to +6 heavy broad axe.
 28221 | D:14     | 28221 ||| SWAPPING to +9 broad axe "Kosum" {antimagic,
                  | rC+}.
 28222 | D:14     | 28222 ||| SWAPPING to +6 heavy broad axe.
 28223 | D:14     | 28223 ||| SWAPPING to +9 broad axe "Kosum" {antimagic,
                  | rC+}.
 28224 | D:14     | 28224 ||| SWAPPING to +6 heavy broad axe.
 28225 | D:14     | 28225 ||| SWAPPING to +9 broad axe "Kosum" {antimagic,
                  | rC+}.
 28226 | D:14     | 28226 ||| SWAPPING to +6 heavy broad axe.
 28227 | D:14     | 28227 ||| SWAPPING to +9 broad axe "Kosum" {antimagic,
                  | rC+}.
 28228 | D:14     | 28228 ||| SWAPPING to +6 heavy broad axe.
 28229 | D:14     | 28229 ||| SWAPPING to +9 broad axe "Kosum" {antimagic,
                  | rC+}.
 28230 | D:14     | 28230 ||| SWAPPING to +6 heavy broad axe.
 28231 | D:14     | 28231 ||| SWAPPING to +9 broad axe "Kosum" {antimagic,
                  | rC+}.
 28232 | D:14     | 28232 ||| SWAPPING to +6 heavy broad axe.
 28233 | D:14     | 28233 ||| SWAPPING to +9 broad axe "Kosum" {antimagic,
                  | rC+}.
 28234 | D:14     | 28234 ||| SWAPPING to +6 heavy broad axe.
 28235 | D:14     | 28235 ||| SWAPPING to +9 broad axe "Kosum" {antimagic,
                  | rC+}.
 28236 | D:14     | 28236 ||| SWAPPING to +6 heavy broad axe.
 28237 | D:14     | 28237 ||| SWAPPING to +9 broad axe "Kosum" {antimagic,
                  | rC+}.
 28238 | D:14     | 28238 ||| SWAPPING to +6 heavy broad axe.
 28239 | D:14     | 28239 ||| SWAPPING to +9 broad axe "Kosum" {antimagic,
                  | rC+}.
 28240 | D:14     | 28240 ||| SWAPPING to +6 heavy broad axe.
 28241 | D:14     | 28241 ||| SWAPPING to +9 broad axe "Kosum" {antimagic,
                  | rC+}.
 28242 | D:14     | 28242 ||| SWAPPING to +6 heavy broad axe.
 28243 | D:14     | 28243 ||| SWAPPING to +9 broad axe "Kosum" {antimagic,
                  | rC+}.
 28244 | D:14     | 28244 ||| SWAPPING to +6 heavy broad axe.
 28245 | D:14     | 28245 ||| SWAPPING to +9 broad axe "Kosum" {antimagic,
                  | rC+}.
 28246 | D:14     | 28246 ||| SWAPPING to +6 heavy broad axe.
 28247 | D:14     | 28247 ||| SWAPPING to +9 broad axe "Kosum" {antimagic,
                  | rC+}.
 28248 | D:14     | 28248 ||| SWAPPING to +6 heavy broad axe.
 28249 | D:14     | 28249 ||| SWAPPING to +9 broad axe "Kosum" {antimagic,
                  | rC+}.
 28250 | D:14     | 28250 ||| SWAPPING to +6 heavy broad axe.
 28251 | D:14     | 28251 ||| SWAPPING to +9 broad axe "Kosum" {antimagic,
                  | rC+}.
 28252 | D:14     | 28252 ||| SWAPPING to +6 heavy broad axe.
 28253 | D:14     | 28253 ||| SWAPPING to +9 broad axe "Kosum" {antimagic,
                  | rC+}.
 28254 | D:14     | 28254 ||| SWAPPING to +6 heavy broad axe.
 28255 | D:14     | 28255 ||| SWAPPING to +9 broad axe "Kosum" {antimagic,
                  | rC+}.
 28256 | D:14     | 28256 ||| SWAPPING to +6 heavy broad axe.
 28257 | D:14     | 28257 ||| SWAPPING to +9 broad axe "Kosum" {antimagic,
                  | rC+}.
 28258 | D:14     | 28258 ||| SWAPPING to +6 heavy broad axe.
 28259 | D:14     | 28259 ||| SWAPPING to +9 broad axe "Kosum" {antimagic,
                  | rC+}.
 28260 | D:14     | 28260 ||| SWAPPING to +6 heavy broad axe.
 28261 | D:14     | 28261 ||| SWAPPING to +9 broad axe "Kosum" {antimagic,
                  | rC+}.
 28262 | D:14     | 28262 ||| SWAPPING to +6 heavy broad axe.
 28263 | D:14     | 28263 ||| SWAPPING to +9 broad axe "Kosum" {antimagic,
                  | rC+}.
 28264 | D:14     | 28264 ||| SWAPPING to +6 heavy broad axe.
 28265 | D:14     | 28265 ||| SWAPPING to +9 broad axe "Kosum" {antimagic,
                  | rC+}.
 28266 | D:14     | 28266 ||| SWAPPING to +6 heavy broad axe.
 28267 | D:14     | 28267 ||| SWAPPING to +9 broad axe "Kosum" {antimagic,
                  | rC+}.
 28268 | D:14     | 28268 ||| SWAPPING to +6 heavy broad axe.
 28269 | D:14     | 28269 ||| SWAPPING to +9 broad axe "Kosum" {antimagic,
                  | rC+}.
 28270 | D:14     | 28270 ||| SWAPPING to +6 heavy broad axe.
 28271 | D:14     | 28271 ||| SWAPPING to +9 broad axe "Kosum" {antimagic,
                  | rC+}.
 28272 | D:14     | 28272 ||| SWAPPING to +6 heavy broad axe.
 28273 | D:14     | 28273 ||| SWAPPING to +9 broad axe "Kosum" {antimagic,
                  | rC+}.
 28274 | D:14     | 28274 ||| SWAPPING to +6 heavy broad axe.
 28275 | D:14     | 28275 ||| SWAPPING to +9 broad axe "Kosum" {antimagic,
                  | rC+}.
 28276 | D:14     | 28276 ||| SWAPPING to +6 heavy broad axe.
 28277 | D:14     | 28277 ||| SWAPPING to +9 broad axe "Kosum" {antimagic,
                  | rC+}.
 28278 | D:14     | 28278 ||| SWAPPING to +6 heavy broad axe.
 28279 | D:14     | 28279 ||| SWAPPING to +9 broad axe "Kosum" {antimagic,
                  | rC+}.
 28280 | D:14     | 28280 ||| SWAPPING to +6 heavy broad axe.
 28281 | D:14     | 28281 ||| SWAPPING to +9 broad axe "Kosum" {antimagic,
                  | rC+}.
 28282 | D:14     | 28282 ||| SWAPPING to +6 heavy broad axe.
 28283 | D:14     | 28283 ||| SWAPPING to +9 broad axe "Kosum" {antimagic,
                  | rC+}.
 28284 | D:14     | 28284 ||| SWAPPING to +6 heavy broad axe.
 28285 | D:14     | 28285 ||| SWAPPING to +9 broad axe "Kosum" {antimagic,
                  | rC+}.
 28286 | D:14     | 28286 ||| SWAPPING to +6 heavy broad axe.
 28287 | D:14     | 28287 ||| SWAPPING to +9 broad axe "Kosum" {antimagic,
                  | rC+}.
 28288 | D:14     | 28288 ||| SWAPPING to +6 heavy broad axe.
 28289 | D:14     | 28289 ||| SWAPPING to +9 broad axe "Kosum" {antimagic,
                  | rC+}.
 28290 | D:14     | 28290 ||| SWAPPING to +6 heavy broad axe.
 28291 | D:14     | 28291 ||| SWAPPING to +9 broad axe "Kosum" {antimagic,
                  | rC+}.
 28292 | D:14     | 28292 ||| SWAPPING to +6 heavy broad axe.
 28293 | D:14     | 28293 ||| SWAPPING to +9 broad axe "Kosum" {antimagic,
                  | rC+}.
 28294 | D:14     | 28294 ||| SWAPPING to +6 heavy broad axe.
 28295 | D:14     | 28295 ||| SWAPPING to +9 broad axe "Kosum" {antimagic,
                  | rC+}.
 28296 | D:14     | 28296 ||| SWAPPING to +6 heavy broad axe.
 28297 | D:14     | 28297 ||| SWAPPING to +9 broad axe "Kosum" {antimagic,
                  | rC+}.
 28298 | D:14     | 28298 ||| SWAPPING to +6 heavy broad axe.
 28299 | D:14     | 28299 ||| SWAPPING to +9 broad axe "Kosum" {antimagic,
                  | rC+}.
 28300 | D:14     | 28300 ||| SWAPPING to +6 heavy broad axe.
 28301 | D:14     | 28301 ||| SWAPPING to +9 broad axe "Kosum" {antimagic,
                  | rC+}.
 28302 | D:14     | 28302 ||| SWAPPING to +6 heavy broad axe.
 28303 | D:14     | 28303 ||| SWAPPING to +9 broad axe "Kosum" {antimagic,
                  | rC+}.
 28304 | D:14     | 28304 ||| SWAPPING to +6 heavy broad axe.
 28305 | D:14     | 28305 ||| SWAPPING to +9 broad axe "Kosum" {antimagic,
                  | rC+}.
 28306 | D:14     | 28306 ||| SWAPPING to +6 heavy broad axe.
 28307 | D:14     | 28307 ||| SWAPPING to +9 broad axe "Kosum" {antimagic,
                  | rC+}.
 28308 | D:14     | 28308 ||| SWAPPING to +6 heavy broad axe.
 28309 | D:14     | 28309 ||| SWAPPING to +9 broad axe "Kosum" {antimagic,
                  | rC+}.
 28310 | D:14     | 28310 ||| SWAPPING to +6 heavy broad axe.
 28311 | D:14     | 28311 ||| SWAPPING to +9 broad axe "Kosum" {antimagic,
                  | rC+}.
 28312 | D:14     | 28312 ||| SWAPPING to +6 heavy broad axe.
 28313 | D:14     | 28313 ||| SWAPPING to +9 broad axe "Kosum" {antimagic,
                  | rC+}.
 28314 | D:14     | 28314 ||| SWAPPING to +6 heavy broad axe.
 28315 | D:14     | 28315 ||| SWAPPING to +9 broad axe "Kosum" {antimagic,
                  | rC+}.
 28316 | D:14     | 28316 ||| SWAPPING to +6 heavy broad axe.
 28317 | D:14     | 28317 ||| SWAPPING to +9 broad axe "Kosum" {antimagic,
                  | rC+}.
 28318 | D:14     | 28318 ||| SWAPPING to +6 heavy broad axe.
 28319 | D:14     | 28319 ||| SWAPPING to +9 broad axe "Kosum" {antimagic,
                  | rC+}.
 28320 | D:14     | 28320 ||| SWAPPING to +6 heavy broad axe.
 28321 | D:14     | 28321 ||| SWAPPING to +9 broad axe "Kosum" {antimagic,
                  | rC+}.
 28322 | D:14     | 28322 ||| SWAPPING to +6 heavy broad axe.
 28323 | D:14     | 28323 ||| SWAPPING to +9 broad axe "Kosum" {antimagic,
                  | rC+}.
 28324 | D:14     | 28324 ||| SWAPPING to +6 heavy broad axe.
 28325 | D:14     | 28325 ||| SWAPPING to +9 broad axe "Kosum" {antimagic,
                  | rC+}.
 28326 | D:14     | 28326 ||| SWAPPING to +6 heavy broad axe.
 28327 | D:14     | 28327 ||| SWAPPING to +9 broad axe "Kosum" {antimagic,
                  | rC+}.
 28328 | D:14     | 28328 ||| SWAPPING to +6 heavy broad axe.
 28329 | D:14     | 28329 ||| SWAPPING to +9 broad axe "Kosum" {antimagic,
                  | rC+}.
 28330 | D:14     | 28330 ||| SWAPPING to +6 heavy broad axe.
 28331 | D:14     | 28331 ||| SWAPPING to +9 broad axe "Kosum" {antimagic,
                  | rC+}.
 28332 | D:14     | 28332 ||| SWAPPING to +6 heavy broad axe.
 28333 | D:14     | 28333 ||| SWAPPING to +9 broad axe "Kosum" {antimagic,
                  | rC+}.
 28334 | D:14     | 28334 ||| SWAPPING to +6 heavy broad axe.
 28335 | D:14     | 28335 ||| SWAPPING to +9 broad axe "Kosum" {antimagic,
                  | rC+}.
 28336 | D:14     | 28336 ||| SWAPPING to +6 heavy broad axe.
 28337 | D:14     | 28337 ||| SWAPPING to +9 broad axe "Kosum" {antimagic,
                  | rC+}.
 28338 | D:14     | 28338 ||| SWAPPING to +6 heavy broad axe.
 28339 | D:14     | 28339 ||| SWAPPING to +9 broad axe "Kosum" {antimagic,
                  | rC+}.
 28340 | D:14     | 28340 ||| SWAPPING to +6 heavy broad axe.
 28341 | D:14     | 28341 ||| SWAPPING to +9 broad axe "Kosum" {antimagic,
                  | rC+}.
 28342 | D:14     | 28342 ||| SWAPPING to +6 heavy broad axe.
 28343 | D:14     | 28343 ||| SWAPPING to +9 broad axe "Kosum" {antimagic,
                  | rC+}.
 28344 | D:14     | 28344 ||| SWAPPING to +6 heavy broad axe.
 28345 | D:14     | 28345 ||| SWAPPING to +9 broad axe "Kosum" {antimagic,
                  | rC+}.
 28346 | D:14     | 28346 ||| SWAPPING to +6 heavy broad axe.
 28347 | D:14     | 28347 ||| SWAPPING to +9 broad axe "Kosum" {antimagic,
                  | rC+}.
 28348 | D:14     | 28348 ||| SWAPPING to +6 heavy broad axe.
 28349 | D:14     | 28349 ||| SWAPPING to +9 broad axe "Kosum" {antimagic,
                  | rC+}.
 28350 | D:14     | 28350 ||| SWAPPING to +6 heavy broad axe.
 28351 | D:14     | 28351 ||| SWAPPING to +9 broad axe "Kosum" {antimagic,
                  | rC+}.
 28352 | D:14     | 28352 ||| SWAPPING to +6 heavy broad axe.
 28353 | D:14     | 28353 ||| SWAPPING to +9 broad axe "Kosum" {antimagic,
                  | rC+}.
 28354 | D:14     | 28354 ||| SWAPPING to +6 heavy broad axe.
 28355 | D:14     | 28355 ||| SWAPPING to +9 broad axe "Kosum" {antimagic,
                  | rC+}.
 28356 | D:14     | 28356 ||| SWAPPING to +6 heavy broad axe.
 28357 | D:14     | 28357 ||| SWAPPING to +9 broad axe "Kosum" {antimagic,
                  | rC+}.
 28358 | D:14     | 28358 ||| SWAPPING to +6 heavy broad axe.
 28359 | D:14     | 28359 ||| SWAPPING to +9 broad axe "Kosum" {antimagic,
                  | rC+}.
 28360 | D:14     | 28360 ||| SWAPPING to +6 heavy broad axe.
 28361 | D:14     | 28361 ||| SWAPPING to +9 broad axe "Kosum" {antimagic,
                  | rC+}.
 28362 | D:14     | 28362 ||| SWAPPING to +6 heavy broad axe.
 28363 | D:14     | 28363 ||| SWAPPING to +9 broad axe "Kosum" {antimagic,
                  | rC+}.
 28364 | D:14     | 28364 ||| SWAPPING to +6 heavy broad axe.
 28365 | D:14     | 28365 ||| SWAPPING to +9 broad axe "Kosum" {antimagic,
                  | rC+}.
 28366 | D:14     | 28366 ||| SWAPPING to +6 heavy broad axe.
 28367 | D:14     | 28367 ||| SWAPPING to +9 broad axe "Kosum" {antimagic,
                  | rC+}.
 28368 | D:14     | 28368 ||| SWAPPING to +6 heavy broad axe.
 28369 | D:14     | 28369 ||| SWAPPING to +9 broad axe "Kosum" {antimagic,
                  | rC+}.
 28370 | D:14     | 28370 ||| SWAPPING to +6 heavy broad axe.
 28371 | D:14     | 28371 ||| SWAPPING to +9 broad axe "Kosum" {antimagic,
                  | rC+}.
 28372 | D:14     | 28372 ||| SWAPPING to +6 heavy broad axe.
 28373 | D:14     | 28373 ||| SWAPPING to +9 broad axe "Kosum" {antimagic,
                  | rC+}.
 28374 | D:14     | 28374 ||| SWAPPING to +6 heavy broad axe.
 28375 | D:14     | 28375 ||| SWAPPING to +9 broad axe "Kosum" {antimagic,
                  | rC+}.
 28376 | D:14     | 28376 ||| SWAPPING to +6 heavy broad axe.
 28377 | D:14     | 28377 ||| SWAPPING to +9 broad axe "Kosum" {antimagic,
                  | rC+}.
 28378 | D:14     | 28378 ||| SWAPPING to +6 heavy broad axe.
 28379 | D:14     | 28379 ||| SWAPPING to +9 broad axe "Kosum" {antimagic,
                  | rC+}.
 28380 | D:14     | 28380 ||| SWAPPING to +6 heavy broad axe.
 28381 | D:14     | 28381 ||| SWAPPING to +9 broad axe "Kosum" {antimagic,
                  | rC+}.
 28382 | D:14     | 28382 ||| SWAPPING to +6 heavy broad axe.
 28383 | D:14     | 28383 ||| SWAPPING to +9 broad axe "Kosum" {antimagic,
                  | rC+}.
 28384 | D:14     | 28384 ||| SWAPPING to +6 heavy broad axe.
 28385 | D:14     | 28385 ||| SWAPPING to +9 broad axe "Kosum" {antimagic,
                  | rC+}.
 28386 | D:14     | 28386 ||| SWAPPING to +6 heavy broad axe.
 28387 | D:14     | 28387 ||| SWAPPING to +9 broad axe "Kosum" {antimagic,
                  | rC+}.
 28388 | D:14     | 28388 ||| SWAPPING to +6 heavy broad axe.
 28389 | D:14     | 28389 ||| SWAPPING to +9 broad axe "Kosum" {antimagic,
                  | rC+}.
 28390 | D:14     | 28390 ||| SWAPPING to +6 heavy broad axe.
 28391 | D:14     | 28391 ||| SWAPPING to +9 broad axe "Kosum" {antimagic,
                  | rC+}.
 28392 | D:14     | 28392 ||| SWAPPING to +6 heavy broad axe.
 28393 | D:14     | 28393 ||| SWAPPING to +9 broad axe "Kosum" {antimagic,
                  | rC+}.
 28394 | D:14     | 28394 ||| SWAPPING to +6 heavy broad axe.
 28395 | D:14     | 28395 ||| SWAPPING to +9 broad axe "Kosum" {antimagic,
                  | rC+}.
 28396 | D:14     | 28396 ||| SWAPPING to +6 heavy broad axe.
 28397 | D:14     | 28397 ||| SWAPPING to +9 broad axe "Kosum" {antimagic,
                  | rC+}.
 28398 | D:14     | 28398 ||| SWAPPING to +6 heavy broad axe.
 28399 | D:14     | 28399 ||| SWAPPING to +9 broad axe "Kosum" {antimagic,
                  | rC+}.
 28400 | D:14     | 28400 ||| SWAPPING to +6 heavy broad axe.
 28401 | D:14     | 28401 ||| SWAPPING to +9 broad axe "Kosum" {antimagic,
                  | rC+}.
 28402 | D:14     | 28402 ||| SWAPPING to +6 heavy broad axe.
 28403 | D:14     | 28403 ||| SWAPPING to +9 broad axe "Kosum" {antimagic,
                  | rC+}.
 28404 | D:14     | 28404 ||| SWAPPING to +6 heavy broad axe.
 28405 | D:14     | 28405 ||| SWAPPING to +9 broad axe "Kosum" {antimagic,
                  | rC+}.
 28406 | D:14     | 28406 ||| SWAPPING to +6 heavy broad axe.
 28407 | D:14     | 28407 ||| SWAPPING to +9 broad axe "Kosum" {antimagic,
                  | rC+}.
 28408 | D:14     | 28408 ||| SWAPPING to +6 heavy broad axe.
 28409 | D:14     | 28409 ||| SWAPPING to +9 broad axe "Kosum" {antimagic,
                  | rC+}.
 28410 | D:14     | 28410 ||| SWAPPING to +6 heavy broad axe.
 28411 | D:14     | 28411 ||| SWAPPING to +9 broad axe "Kosum" {antimagic,
                  | rC+}.
 28412 | D:14     | 28412 ||| SWAPPING to +6 heavy broad axe.
 28413 | D:14     | 28413 ||| SWAPPING to +9 broad axe "Kosum" {antimagic,
                  | rC+}.
 28414 | D:14     | 28414 ||| SWAPPING to +6 heavy broad axe.
 28415 | D:14     | 28415 ||| SWAPPING to +9 broad axe "Kosum" {antimagic,
                  | rC+}.
 28416 | D:14     | 28416 ||| SWAPPING to +6 heavy broad axe.
 28417 | D:14     | 28417 ||| SWAPPING to +9 broad axe "Kosum" {antimagic,
                  | rC+}.
 28418 | D:14     | 28418 ||| SWAPPING to +6 heavy broad axe.
 28419 | D:14     | 28419 ||| SWAPPING to +9 broad axe "Kosum" {antimagic,
                  | rC+}.
 28420 | D:14     | 28420 ||| SWAPPING to +6 heavy broad axe.
 28421 | D:14     | 28421 ||| SWAPPING to +9 broad axe "Kosum" {antimagic,
                  | rC+}.
 28422 | D:14     | 28422 ||| SWAPPING to +6 heavy broad axe.
 28423 | D:14     | 28423 ||| SWAPPING to +9 broad axe "Kosum" {antimagic,
                  | rC+}.
 28424 | D:14     | 28424 ||| SWAPPING to +6 heavy broad axe.
 28425 | D:14     | 28425 ||| SWAPPING to +9 broad axe "Kosum" {antimagic,
                  | rC+}.
 28426 | D:14     | 28426 ||| SWAPPING to +6 heavy broad axe.
 28427 | D:14     | 28427 ||| SWAPPING to +9 broad axe "Kosum" {antimagic,
                  | rC+}.
 28428 | D:14     | 28428 ||| SWAPPING to +6 heavy broad axe.
 28429 | D:14     | 28429 ||| SWAPPING to +9 broad axe "Kosum" {antimagic,
                  | rC+}.
 28430 | D:14     | 28430 ||| SWAPPING to +6 heavy broad axe.
 28431 | D:14     | 28431 ||| SWAPPING to +9 broad axe "Kosum" {antimagic,
                  | rC+}.
 28432 | D:14     | 28432 ||| SWAPPING to +6 heavy broad axe.
 28433 | D:14     | 28433 ||| SWAPPING to +9 broad axe "Kosum" {antimagic,
                  | rC+}.
 28434 | D:14     | 28434 ||| SWAPPING to +6 heavy broad axe.
 28435 | D:14     | 28435 ||| SWAPPING to +9 broad axe "Kosum" {antimagic,
                  | rC+}.
 28436 | D:14     | 28436 ||| SWAPPING to +6 heavy broad axe.
 28437 | D:14     | 28437 ||| SWAPPING to +9 broad axe "Kosum" {antimagic,
                  | rC+}.
 28438 | D:14     | 28438 ||| SWAPPING to +6 heavy broad axe.
 28439 | D:14     | 28439 ||| SWAPPING to +9 broad axe "Kosum" {antimagic,
                  | rC+}.
 28440 | D:14     | 28440 ||| SWAPPING to +6 heavy broad axe.
 28441 | D:14     | 28441 ||| SWAPPING to +9 broad axe "Kosum" {antimagic,
                  | rC+}.
 28442 | D:14     | 28442 ||| SWAPPING to +6 heavy broad axe.
 28443 | D:14     | 28443 ||| SWAPPING to +9 broad axe "Kosum" {antimagic,
                  | rC+}.
 28444 | D:14     | 28444 ||| SWAPPING to +6 heavy broad axe.
 28445 | D:14     | 28445 ||| SWAPPING to +9 broad axe "Kosum" {antimagic,
                  | rC+}.
 28446 | D:14     | 28446 ||| SWAPPING to +6 heavy broad axe.
 28447 | D:14     | 28447 ||| SWAPPING to +9 broad axe "Kosum" {antimagic,
                  | rC+}.
 28448 | D:14     | 28448 ||| SWAPPING to +6 heavy broad axe.
 28449 | D:14     | 28449 ||| SWAPPING to +9 broad axe "Kosum" {antimagic,
                  | rC+}.
 28450 | D:14     | 28450 ||| SWAPPING to +6 heavy broad axe.
 28451 | D:14     | 28451 ||| SWAPPING to +9 broad axe "Kosum" {antimagic,
                  | rC+}.
 28452 | D:14     | 28452 ||| SWAPPING to +6 heavy broad axe.
 28453 | D:14     | 28453 ||| SWAPPING to +9 broad axe "Kosum" {antimagic,
                  | rC+}.
 28454 | D:14     | 28454 ||| SWAPPING to +6 heavy broad axe.
 28455 | D:14     | 28455 ||| SWAPPING to +9 broad axe "Kosum" {antimagic,
                  | rC+}.
 28456 | D:14     | 28456 ||| SWAPPING to +6 heavy broad axe.
 28457 | D:14     | 28457 ||| SWAPPING to +9 broad axe "Kosum" {antimagic,
                  | rC+}.
 28458 | D:14     | 28458 ||| SWAPPING to +6 heavy broad axe.
 28459 | D:14     | 28459 ||| SWAPPING to +9 broad axe "Kosum" {antimagic,
                  | rC+}.
 28460 | D:14     | 28460 ||| SWAPPING to +6 heavy broad axe.
 28461 | D:14     | 28461 ||| SWAPPING to +9 broad axe "Kosum" {antimagic,
                  | rC+}.
 28462 | D:14     | 28462 ||| SWAPPING to +6 heavy broad axe.
 28463 | D:14     | 28463 ||| SWAPPING to +9 broad axe "Kosum" {antimagic,
                  | rC+}.
 28464 | D:14     | 28464 ||| SWAPPING to +6 heavy broad axe.
 28465 | D:14     | 28465 ||| SWAPPING to +9 broad axe "Kosum" {antimagic,
                  | rC+}.
 28466 | D:14     | 28466 ||| SWAPPING to +6 heavy broad axe.
 28467 | D:14     | 28467 ||| SWAPPING to +9 broad axe "Kosum" {antimagic,
                  | rC+}.
 28468 | D:14     | 28468 ||| SWAPPING to +6 heavy broad axe.
 28469 | D:14     | 28469 ||| SWAPPING to +9 broad axe "Kosum" {antimagic,
                  | rC+}.
 28470 | D:14     | 28470 ||| SWAPPING to +6 heavy broad axe.
 28471 | D:14     | 28471 ||| SWAPPING to +9 broad axe "Kosum" {antimagic,
                  | rC+}.
 28472 | D:14     | 28472 ||| SWAPPING to +6 heavy broad axe.
 28473 | D:14     | 28473 ||| SWAPPING to +9 broad axe "Kosum" {antimagic,
                  | rC+}.
 28474 | D:14     | 28474 ||| SWAPPING to +6 heavy broad axe.
 28475 | D:14     | 28475 ||| SWAPPING to +9 broad axe "Kosum" {antimagic,
                  | rC+}.
 28476 | D:14     | 28476 ||| SWAPPING to +6 heavy broad axe.
 28477 | D:14     | 28477 ||| SWAPPING to +9 broad axe "Kosum" {antimagic,
                  | rC+}.
 28478 | D:14     | 28478 ||| SWAPPING to +6 heavy broad axe.
 28479 | D:14     | 28479 ||| SWAPPING to +9 broad axe "Kosum" {antimagic,
                  | rC+}.
 28480 | D:14     | 28480 ||| SWAPPING to +6 heavy broad axe.
 28481 | D:14     | 28481 ||| SWAPPING to +9 broad axe "Kosum" {antimagic,
                  | rC+}.
 28482 | D:14     | 28482 ||| SWAPPING to +6 heavy broad axe.
 28483 | D:14     | 28483 ||| SWAPPING to +9 broad axe "Kosum" {antimagic,
                  | rC+}.
 28484 | D:14     | 28484 ||| SWAPPING to +6 heavy broad axe.
 28485 | D:14     | 28485 ||| SWAPPING to +9 broad axe "Kosum" {antimagic,
                  | rC+}.
 28486 | D:14     | 28486 ||| SWAPPING to +6 heavy broad axe.
 28487 | D:14     | 28487 ||| SWAPPING to +9 broad axe "Kosum" {antimagic,
                  | rC+}.
 28488 | D:14     | 28488 ||| SWAPPING to +6 heavy broad axe.
 28489 | D:14     | 28489 ||| SWAPPING to +9 broad axe "Kosum" {antimagic,
                  | rC+}.
 28490 | D:14     | 28490 ||| SWAPPING to +6 heavy broad axe.
 28491 | D:14     | 28491 ||| SWAPPING to +9 broad axe "Kosum" {antimagic,
                  | rC+}.
 28492 | D:14     | 28492 ||| SWAPPING to +6 heavy broad axe.
 28493 | D:14     | 28493 ||| SWAPPING to +9 broad axe "Kosum" {antimagic,
                  | rC+}.
 28494 | D:14     | 28494 ||| SWAPPING to +6 heavy broad axe.
 28495 | D:14     | 28495 ||| SWAPPING to +9 broad axe "Kosum" {antimagic,
                  | rC+}.
 28496 | D:14     | 28496 ||| SWAPPING to +6 heavy broad axe.
 28497 | D:14     | 28497 ||| SWAPPING to +9 broad axe "Kosum" {antimagic,
                  | rC+}.
 28498 | D:14     | 28498 ||| SWAPPING to +6 heavy broad axe.
 28499 | D:14     | 28499 ||| SWAPPING to +9 broad axe "Kosum" {antimagic,
                  | rC+}.
 28500 | D:14     | 28500 ||| SWAPPING to +6 heavy broad axe.
 28501 | D:14     | 28501 ||| SWAPPING to +9 broad axe "Kosum" {antimagic,
                  | rC+}.
 28502 | D:14     | 28502 ||| SWAPPING to +6 heavy broad axe.
 28503 | D:14     | 28503 ||| SWAPPING to +9 broad axe "Kosum" {antimagic,
                  | rC+}.
 28504 | D:14     | 28504 ||| SWAPPING to +6 heavy broad axe.
 28505 | D:14     | 28505 ||| SWAPPING to +9 broad axe "Kosum" {antimagic,
                  | rC+}.
 28506 | D:14     | 28506 ||| SWAPPING to +6 heavy broad axe.
 28507 | D:14     | 28507 ||| SWAPPING to +9 broad axe "Kosum" {antimagic,
                  | rC+}.
 28508 | D:14     | 28508 ||| SWAPPING to +6 heavy broad axe.
 28509 | D:14     | 28509 ||| SWAPPING to +9 broad axe "Kosum" {antimagic,
                  | rC+}.
 28510 | D:14     | 28510 ||| SWAPPING to +6 heavy broad axe.
 28511 | D:14     | 28511 ||| SWAPPING to +9 broad axe "Kosum" {antimagic,
                  | rC+}.
 28512 | D:14     | 28512 ||| SWAPPING to +6 heavy broad axe.
 28513 | D:14     | 28513 ||| SWAPPING to +9 broad axe "Kosum" {antimagic,
                  | rC+}.
 28514 | D:14     | 28514 ||| SWAPPING to +6 heavy broad axe.
 28515 | D:14     | 28515 ||| SWAPPING to +9 broad axe "Kosum" {antimagic,
                  | rC+}.
 28516 | D:14     | 28516 ||| SWAPPING to +6 heavy broad axe.
 28517 | D:14     | 28517 ||| SWAPPING to +9 broad axe "Kosum" {antimagic,
                  | rC+}.
 28518 | D:14     | 28518 ||| SWAPPING to +6 heavy broad axe.
 28519 | D:14     | 28519 ||| SWAPPING to +9 broad axe "Kosum" {antimagic,
                  | rC+}.
 28520 | D:14     | 28520 ||| SWAPPING to +6 heavy broad axe.
 28521 | D:14     | 28521 ||| SWAPPING to +9 broad axe "Kosum" {antimagic,
                  | rC+}.
 28522 | D:14     | 28522 ||| SWAPPING to +6 heavy broad axe.
 28523 | D:14     | 28523 ||| SWAPPING to +9 broad axe "Kosum" {antimagic,
                  | rC+}.
 28524 | D:14     | 28524 ||| SWAPPING to +6 heavy broad axe.
 28525 | D:14     | 28525 ||| SWAPPING to +9 broad axe "Kosum" {antimagic,
                  | rC+}.
 28526 | D:14     | 28526 ||| SWAPPING to +6 heavy broad axe.
 28527 | D:14     | 28527 ||| SWAPPING to +9 broad axe "Kosum" {antimagic,
                  | rC+}.
 28528 | D:14     | 28528 ||| SWAPPING to +6 heavy broad axe.
 28529 | D:14     | 28529 ||| SWAPPING to +9 broad axe "Kosum" {antimagic,
                  | rC+}.
 28530 | D:14     | 28530 ||| SWAPPING to +6 heavy broad axe.
 28531 | D:14     | 28531 ||| SWAPPING to +9 broad axe "Kosum" {antimagic,
                  | rC+}.
 28532 | D:14     | 28532 ||| SWAPPING to +6 heavy broad axe.
 28533 | D:14     | 28533 ||| SWAPPING to +9 broad axe "Kosum" {antimagic,
                  | rC+}.
 28534 | D:14     | 28534 ||| SWAPPING to +6 heavy broad axe.
 28535 | D:14     | 28535 ||| SWAPPING to +9 broad axe "Kosum" {antimagic,
                  | rC+}.
 28536 | D:14     | 28536 ||| SWAPPING to +6 heavy broad axe.
 28537 | D:14     | 28537 ||| SWAPPING to +9 broad axe "Kosum" {antimagic,
                  | rC+}.
 28538 | D:14     | 28538 ||| SWAPPING to +6 heavy broad axe.
 28539 | D:14     | 28539 ||| SWAPPING to +9 broad axe "Kosum" {antimagic,
                  | rC+}.
 28540 | D:14     | 28540 ||| SWAPPING to +6 heavy broad axe.
 28541 | D:14     | 28541 ||| SWAPPING to +9 broad axe "Kosum" {antimagic,
                  | rC+}.
 28542 | D:14     | 28542 ||| SWAPPING to +6 heavy broad axe.
 28543 | D:14     | 28543 ||| SWAPPING to +9 broad axe "Kosum" {antimagic,
                  | rC+}.
 28544 | D:14     | 28544 ||| SWAPPING to +6 heavy broad axe.
 28545 | D:14     | 28545 ||| SWAPPING to +9 broad axe "Kosum" {antimagic,
                  | rC+}.
 28546 | D:14     | 28546 ||| SWAPPING to +6 heavy broad axe.
 28547 | D:14     | 28547 ||| SWAPPING to +9 broad axe "Kosum" {antimagic,
                  | rC+}.
 28548 | D:14     | 28548 ||| SWAPPING to +6 heavy broad axe.
 28549 | D:14     | 28549 ||| SWAPPING to +9 broad axe "Kosum" {antimagic,
                  | rC+}.
 28550 | D:14     | 28550 ||| SWAPPING to +6 heavy broad axe.
 28551 | D:14     | 28551 ||| SWAPPING to +9 broad axe "Kosum" {antimagic,
                  | rC+}.
 28552 | D:14     | 28552 ||| SWAPPING to +6 heavy broad axe.
 28553 | D:14     | 28553 ||| SWAPPING to +9 broad axe "Kosum" {antimagic,
                  | rC+}.
 28554 | D:14     | 28554 ||| SWAPPING to +6 heavy broad axe.
 28555 | D:14     | 28555 ||| SWAPPING to +9 broad axe "Kosum" {antimagic,
                  | rC+}.
 28556 | D:14     | 28556 ||| SWAPPING to +6 heavy broad axe.
 28557 | D:14     | 28557 ||| SWAPPING to +9 broad axe "Kosum" {antimagic,
                  | rC+}.
 28558 | D:14     | 28558 ||| SWAPPING to +6 heavy broad axe.
 28559 | D:14     | 28559 ||| SWAPPING to +9 broad axe "Kosum" {antimagic,
                  | rC+}.
 28560 | D:14     | 28560 ||| SWAPPING to +6 heavy broad axe.
 28561 | D:14     | 28561 ||| SWAPPING to +9 broad axe "Kosum" {antimagic,
                  | rC+}.
 28562 | D:14     | 28562 ||| SWAPPING to +6 heavy broad axe.
 28563 | D:14     | 28563 ||| SWAPPING to +9 broad axe "Kosum" {antimagic,
                  | rC+}.
 28564 | D:14     | 28564 ||| SWAPPING to +6 heavy broad axe.
 28565 | D:14     | 28565 ||| SWAPPING to +9 broad axe "Kosum" {antimagic,
                  | rC+}.
 28566 | D:14     | 28566 ||| SWAPPING to +6 heavy broad axe.
 28567 | D:14     | 28567 ||| SWAPPING to +9 broad axe "Kosum" {antimagic,
                  | rC+}.
 28568 | D:14     | 28568 ||| SWAPPING to +6 heavy broad axe.
 28569 | D:14     | 28569 ||| SWAPPING to +9 broad axe "Kosum" {antimagic,
                  | rC+}.
 28570 | D:14     | 28570 ||| SWAPPING to +6 heavy broad axe.
 28571 | D:14     | 28571 ||| SWAPPING to +9 broad axe "Kosum" {antimagic,
                  | rC+}.
 28572 | D:14     | 28572 ||| SWAPPING to +6 heavy broad axe.
 28573 | D:14     | 28573 ||| SWAPPING to +9 broad axe "Kosum" {antimagic,
                  | rC+}.
 28574 | D:14     | 28574 ||| SWAPPING to +6 heavy broad axe.
 28575 | D:14     | 28575 ||| SWAPPING to +9 broad axe "Kosum" {antimagic,
                  | rC+}.
 28576 | D:14     | 28576 ||| SWAPPING to +6 heavy broad axe.
 28577 | D:14     | 28577 ||| SWAPPING to +9 broad axe "Kosum" {antimagic,
                  | rC+}.
 28578 | D:14     | 28578 ||| SWAPPING to +6 heavy broad axe.
 28579 | D:14     | 28579 ||| SWAPPING to +9 broad axe "Kosum" {antimagic,
                  | rC+}.
 28580 | D:14     | 28580 ||| SWAPPING to +6 heavy broad axe.
 28581 | D:14     | 28581 ||| SWAPPING to +9 broad axe "Kosum" {antimagic,
                  | rC+}.
 28582 | D:14     | 28582 ||| SWAPPING to +6 heavy broad axe.
 28583 | D:14     | 28583 ||| SWAPPING to +9 broad axe "Kosum" {antimagic,
                  | rC+}.
 28584 | D:14     | 28584 ||| SWAPPING to +6 heavy broad axe.
 28585 | D:14     | 28585 ||| SWAPPING to +9 broad axe "Kosum" {antimagic,
                  | rC+}.
 28586 | D:14     | 28586 ||| SWAPPING to +6 heavy broad axe.
 28587 | D:14     | 28587 ||| SWAPPING to +9 broad axe "Kosum" {antimagic,
                  | rC+}.
 28588 | D:14     | 28588 ||| SWAPPING to +6 heavy broad axe.
 28589 | D:14     | 28589 ||| SWAPPING to +9 broad axe "Kosum" {antimagic,
                  | rC+}.
 28590 | D:14     | 28590 ||| SWAPPING to +6 heavy broad axe.
 28591 | D:14     | 28591 ||| SWAPPING to +9 broad axe "Kosum" {antimagic,
                  | rC+}.
 28592 | D:14     | 28592 ||| SWAPPING to +6 heavy broad axe.
 28593 | D:14     | 28593 ||| SWAPPING to +9 broad axe "Kosum" {antimagic,
                  | rC+}.
 28594 | D:14     | 28594 ||| SWAPPING to +6 heavy broad axe.
 28595 | D:14     | 28595 ||| SWAPPING to +9 broad axe "Kosum" {antimagic,
                  | rC+}.
 28596 | D:14     | 28596 ||| SWAPPING to +6 heavy broad axe.
 28597 | D:14     | 28597 ||| SWAPPING to +9 broad axe "Kosum" {antimagic,
                  | rC+}.
 28598 | D:14     | 28598 ||| SWAPPING to +6 heavy broad axe.
 28599 | D:14     | 28599 ||| SWAPPING to +9 broad axe "Kosum" {antimagic,
                  | rC+}.
 28600 | D:14     | 28600 ||| SWAPPING to +6 heavy broad axe.
 28601 | D:14     | 28601 ||| SWAPPING to +9 broad axe "Kosum" {antimagic,
                  | rC+}.
 28602 | D:14     | 28602 ||| SWAPPING to +6 heavy broad axe.
 28603 | D:14     | 28603 ||| SWAPPING to +9 broad axe "Kosum" {antimagic,
                  | rC+}.
 28604 | D:14     | 28604 ||| SWAPPING to +6 heavy broad axe.
 28605 | D:14     | 28605 ||| SWAPPING to +9 broad axe "Kosum" {antimagic,
                  | rC+}.
 28606 | D:14     | 28606 ||| SWAPPING to +6 heavy broad axe.
 28607 | D:14     | 28607 ||| SWAPPING to +9 broad axe "Kosum" {antimagic,
                  | rC+}.
 28608 | D:14     | 28608 ||| SWAPPING to +6 heavy broad axe.
 28609 | D:14     | 28609 ||| SWAPPING to +9 broad axe "Kosum" {antimagic,
                  | rC+}.
 28610 | D:14     | 28610 ||| SWAPPING to +6 heavy broad axe.
 28611 | D:14     | 28611 ||| SWAPPING to +9 broad axe "Kosum" {antimagic,
                  | rC+}.
 28612 | D:14     | 28612 ||| SWAPPING to +6 heavy broad axe.
 28613 | D:14     | 28613 ||| SWAPPING to +9 broad axe "Kosum" {antimagic,
                  | rC+}.
 28614 | D:14     | 28614 ||| SWAPPING to +6 heavy broad axe.
 28615 | D:14     | 28615 ||| SWAPPING to +9 broad axe "Kosum" {antimagic,
                  | rC+}.
 28616 | D:14     | 28616 ||| SWAPPING to +6 heavy broad axe.
 28617 | D:14     | 28617 ||| SWAPPING to +9 broad axe "Kosum" {antimagic,
                  | rC+}.
 28618 | D:14     | 28618 ||| SWAPPING to +6 heavy broad axe.
 28619 | D:14     | 28619 ||| SWAPPING to +9 broad axe "Kosum" {antimagic,
                  | rC+}.
 28620 | D:14     | 28620 ||| SWAPPING to +6 heavy broad axe.
 28621 | D:14     | 28621 ||| SWAPPING to +9 broad axe "Kosum" {antimagic,
                  | rC+}.
 28622 | D:14     | 28622 ||| SWAPPING to +6 heavy broad axe.
 28623 | D:14     | 28623 ||| SWAPPING to +9 broad axe "Kosum" {antimagic,
                  | rC+}.
 28624 | D:14     | 28624 ||| SWAPPING to +6 heavy broad axe.
 28625 | D:14     | 28625 ||| SWAPPING to +9 broad axe "Kosum" {antimagic,
                  | rC+}.
 28626 | D:14     | 28626 ||| SWAPPING to +6 heavy broad axe.
 28627 | D:14     | 28627 ||| SWAPPING to +9 broad axe "Kosum" {antimagic,
                  | rC+}.
 28628 | D:14     | 28628 ||| SWAPPING to +6 heavy broad axe.
 28629 | D:14     | 28629 ||| SWAPPING to +9 broad axe "Kosum" {antimagic,
                  | rC+}.
 28630 | D:14     | 28630 ||| SWAPPING to +6 heavy broad axe.
 28631 | D:14     | 28631 ||| SWAPPING to +9 broad axe "Kosum" {antimagic,
                  | rC+}.
 28632 | D:14     | 28632 ||| SWAPPING to +6 heavy broad axe.
 28633 | D:14     | 28633 ||| SWAPPING to +9 broad axe "Kosum" {antimagic,
                  | rC+}.
 28634 | D:14     | 28634 ||| SWAPPING to +6 heavy broad axe.
 28635 | D:14     | 28635 ||| SWAPPING to +9 broad axe "Kosum" {antimagic,
                  | rC+}.
 28636 | D:14     | 28636 ||| SWAPPING to +6 heavy broad axe.
 28637 | D:14     | 28637 ||| SWAPPING to +9 broad axe "Kosum" {antimagic,
                  | rC+}.
 28638 | D:14     | 28638 ||| SWAPPING to +6 heavy broad axe.
 28639 | D:14     | 28639 ||| SWAPPING to +9 broad axe "Kosum" {antimagic,
                  | rC+}.
 28640 | D:14     | 28640 ||| SWAPPING to +6 heavy broad axe.
 28641 | D:14     | 28641 ||| SWAPPING to +9 broad axe "Kosum" {antimagic,
                  | rC+}.
 28642 | D:14     | 28642 ||| SWAPPING to +6 heavy broad axe.
 28643 | D:14     | 28643 ||| SWAPPING to +9 broad axe "Kosum" {antimagic,
                  | rC+}.
 28644 | D:14     | 28644 ||| SWAPPING to +6 heavy broad axe.
 28645 | D:14     | 28645 ||| SWAPPING to +9 broad axe "Kosum" {antimagic,
                  | rC+}.
 28646 | D:14     | 28646 ||| SWAPPING to +6 heavy broad axe.
 28647 | D:14     | 28647 ||| SWAPPING to +9 broad axe "Kosum" {antimagic,
                  | rC+}.
 28648 | D:14     | 28648 ||| SWAPPING to +6 heavy broad axe.
 28649 | D:14     | 28649 ||| SWAPPING to +9 broad axe "Kosum" {antimagic,
                  | rC+}.
 28650 | D:14     | 28650 ||| SWAPPING to +6 heavy broad axe.
 28651 | D:14     | 28651 ||| SWAPPING to +9 broad axe "Kosum" {antimagic,
                  | rC+}.
 28652 | D:14     | 28652 ||| SWAPPING to +6 heavy broad axe.
 28653 | D:14     | 28653 ||| SWAPPING to +9 broad axe "Kosum" {antimagic,
                  | rC+}.
 28654 | D:14     | 28654 ||| SWAPPING to +6 heavy broad axe.
 28655 | D:14     | 28655 ||| SWAPPING to +9 broad axe "Kosum" {antimagic,
                  | rC+}.
 28656 | D:14     | 28656 ||| SWAPPING to +6 heavy broad axe.
 28657 | D:14     | 28657 ||| SWAPPING to +9 broad axe "Kosum" {antimagic,
                  | rC+}.
 28658 | D:14     | 28658 ||| SWAPPING to +6 heavy broad axe.
 28659 | D:14     | 28659 ||| SWAPPING to +9 broad axe "Kosum" {antimagic,
                  | rC+}.
 28660 | D:14     | 28660 ||| SWAPPING to +6 heavy broad axe.
 28661 | D:14     | 28661 ||| SWAPPING to +9 broad axe "Kosum" {antimagic,
                  | rC+}.
 28662 | D:14     | 28662 ||| SWAPPING to +6 heavy broad axe.
 28663 | D:14     | 28663 ||| SWAPPING to +9 broad axe "Kosum" {antimagic,
                  | rC+}.
 28664 | D:14     | 28664 ||| SWAPPING to +6 heavy broad axe.
 28665 | D:14     | 28665 ||| SWAPPING to +9 broad axe "Kosum" {antimagic,
                  | rC+}.
 28666 | D:14     | 28666 ||| SWAPPING to +6 heavy broad axe.
 28667 | D:14     | 28667 ||| SWAPPING to +9 broad axe "Kosum" {antimagic,
                  | rC+}.
 28668 | D:14     | 28668 ||| SWAPPING to +6 heavy broad axe.
 28669 | D:14     | 28669 ||| SWAPPING to +9 broad axe "Kosum" {antimagic,
                  | rC+}.
 28670 | D:14     | 28670 ||| SWAPPING to +6 heavy broad axe.
 28671 | D:14     | 28671 ||| SWAPPING to +9 broad axe "Kosum" {antimagic,
                  | rC+}.
 28672 | D:14     | 28672 ||| SWAPPING to +6 heavy broad axe.
 28673 | D:14     | 28673 ||| SWAPPING to +9 broad axe "Kosum" {antimagic,
                  | rC+}.
 28674 | D:14     | 28674 ||| SWAPPING to +6 heavy broad axe.
 28675 | D:14     | 28675 ||| SWAPPING to +9 broad axe "Kosum" {antimagic,
                  | rC+}.
 28676 | D:14     | 28676 ||| SWAPPING to +6 heavy broad axe.
 28677 | D:14     | 28677 ||| SWAPPING to +9 broad axe "Kosum" {antimagic,
                  | rC+}.
 28678 | D:14     | 28678 ||| SWAPPING to +6 heavy broad axe.
 28679 | D:14     | 28679 ||| SWAPPING to +9 broad axe "Kosum" {antimagic,
                  | rC+}.
 28680 | D:14     | 28680 ||| SWAPPING to +6 heavy broad axe.
 28681 | D:14     | 28681 ||| SWAPPING to +9 broad axe "Kosum" {antimagic,
                  | rC+}.
 28682 | D:14     | 28682 ||| SWAPPING to +6 heavy broad axe.
 28683 | D:14     | 28683 ||| SWAPPING to +9 broad axe "Kosum" {antimagic,
                  | rC+}.
 28684 | D:14     | 28684 ||| SWAPPING to +6 heavy broad axe.
 28685 | D:14     | 28685 ||| SWAPPING to +9 broad axe "Kosum" {antimagic,
                  | rC+}.
 28686 | D:14     | 28686 ||| SWAPPING to +6 heavy broad axe.
 28687 | D:14     | 28687 ||| SWAPPING to +9 broad axe "Kosum" {antimagic,
                  | rC+}.
 28688 | D:14     | 28688 ||| SWAPPING to +6 heavy broad axe.
 28689 | D:14     | 28689 ||| SWAPPING to +9 broad axe "Kosum" {antimagic,
                  | rC+}.
 28690 | D:14     | 28690 ||| SWAPPING to +6 heavy broad axe.
 28691 | D:14     | 28691 ||| SWAPPING to +9 broad axe "Kosum" {antimagic,
                  | rC+}.
 28692 | D:14     | 28692 ||| SWAPPING to +6 heavy broad axe.
 28693 | D:14     | 28693 ||| SWAPPING to +9 broad axe "Kosum" {antimagic,
                  | rC+}.
 28694 | D:14     | 28694 ||| SWAPPING to +6 heavy broad axe.
 28695 | D:14     | 28695 ||| SWAPPING to +9 broad axe "Kosum" {antimagic,
                  | rC+}.
 28696 | D:14     | 28696 ||| SWAPPING to +6 heavy broad axe.
 28697 | D:14     | 28697 ||| SWAPPING to +9 broad axe "Kosum" {antimagic,
                  | rC+}.
 28698 | D:14     | 28698 ||| SWAPPING to +6 heavy broad axe.
 28699 | D:14     | 28699 ||| SWAPPING to +9 broad axe "Kosum" {antimagic,
                  | rC+}.
 28700 | D:14     | 28700 ||| SWAPPING to +6 heavy broad axe.
 28701 | D:14     | 28701 ||| SWAPPING to +9 broad axe "Kosum" {antimagic,
                  | rC+}.
 28702 | D:14     | 28702 ||| SWAPPING to +6 heavy broad axe.
 28703 | D:14     | 28703 ||| SWAPPING to +9 broad axe "Kosum" {antimagic,
                  | rC+}.
 28704 | D:14     | 28704 ||| SWAPPING to +6 heavy broad axe.
 28705 | D:14     | 28705 ||| SWAPPING to +9 broad axe "Kosum" {antimagic,
                  | rC+}.
 28706 | D:14     | 28706 ||| SWAPPING to +6 heavy broad axe.
 28707 | D:14     | 28707 ||| SWAPPING to +9 broad axe "Kosum" {antimagic,
                  | rC+}.
 28708 | D:14     | 28708 ||| SWAPPING to +6 heavy broad axe.
 28709 | D:14     | 28709 ||| SWAPPING to +9 broad axe "Kosum" {antimagic,
                  | rC+}.
 28710 | D:14     | 28710 ||| SWAPPING to +6 heavy broad axe.
 28711 | D:14     | 28711 ||| SWAPPING to +9 broad axe "Kosum" {antimagic,
                  | rC+}.
 28712 | D:14     | 28712 ||| SWAPPING to +6 heavy broad axe.
 28713 | D:14     | 28713 ||| SWAPPING to +9 broad axe "Kosum" {antimagic,
                  | rC+}.
 28714 | D:14     | 28714 ||| SWAPPING to +6 heavy broad axe.
 28715 | D:14     | 28715 ||| SWAPPING to +9 broad axe "Kosum" {antimagic,
                  | rC+}.
 28716 | D:14     | 28716 ||| SWAPPING to +6 heavy broad axe.
 28717 | D:14     | 28717 ||| SWAPPING to +9 broad axe "Kosum" {antimagic,
                  | rC+}.
 28718 | D:14     | 28718 ||| SWAPPING to +6 heavy broad axe.
 28719 | D:14     | 28719 ||| SWAPPING to +9 broad axe "Kosum" {antimagic,
                  | rC+}.
 28720 | D:14     | 28720 ||| SWAPPING to +6 heavy broad axe.
 28721 | D:14     | 28721 ||| SWAPPING to +9 broad axe "Kosum" {antimagic,
                  | rC+}.
 28722 | D:14     | 28722 ||| SWAPPING to +6 heavy broad axe.
 28723 | D:14     | 28723 ||| SWAPPING to +9 broad axe "Kosum" {antimagic,
                  | rC+}.
 28724 | D:14     | 28724 ||| SWAPPING to +6 heavy broad axe.
 28725 | D:14     | 28725 ||| SWAPPING to +9 broad axe "Kosum" {antimagic,
                  | rC+}.
 28726 | D:14     | 28726 ||| SWAPPING to +6 heavy broad axe.
 28727 | D:14     | 28727 ||| SWAPPING to +9 broad axe "Kosum" {antimagic,
                  | rC+}.
 28728 | D:14     | 28728 ||| SWAPPING to +6 heavy broad axe.
 28729 | D:14     | 28729 ||| SWAPPING to +9 broad axe "Kosum" {antimagic,
                  | rC+}.
 28730 | D:14     | 28730 ||| SWAPPING to +6 heavy broad axe.
 28731 | D:14     | 28731 ||| SWAPPING to +9 broad axe "Kosum" {antimagic,
                  | rC+}.
 28732 | D:14     | 28732 ||| SWAPPING to +6 heavy broad axe.
 28733 | D:14     | 28733 ||| SWAPPING to +9 broad axe "Kosum" {antimagic,
                  | rC+}.
 28734 | D:14     | 28734 ||| SWAPPING to +6 heavy broad axe.
 28735 | D:14     | 28735 ||| SWAPPING to +9 broad axe "Kosum" {antimagic,
                  | rC+}.
 28736 | D:14     | 28736 ||| SWAPPING to +6 heavy broad axe.
 28737 | D:14     | 28737 ||| SWAPPING to +9 broad axe "Kosum" {antimagic,
                  | rC+}.
 28738 | D:14     | 28738 ||| SWAPPING to +6 heavy broad axe.
 28739 | D:14     | 28739 ||| SWAPPING to +9 broad axe "Kosum" {antimagic,
                  | rC+}.
 28740 | D:14     | 28740 ||| SWAPPING to +6 heavy broad axe.
 28741 | D:14     | 28741 ||| SWAPPING to +9 broad axe "Kosum" {antimagic,
                  | rC+}.
 28742 | D:14     | 28742 ||| SWAPPING to +6 heavy broad axe.
 28743 | D:14     | 28743 ||| SWAPPING to +9 broad axe "Kosum" {antimagic,
                  | rC+}.
 28744 | D:14     | 28744 ||| SWAPPING to +6 heavy broad axe.
 28745 | D:14     | 28745 ||| SWAPPING to +9 broad axe "Kosum" {antimagic,
                  | rC+}.
 28746 | D:14     | 28746 ||| SWAPPING to +6 heavy broad axe.
 28747 | D:14     | 28747 ||| SWAPPING to +9 broad axe "Kosum" {antimagic,
                  | rC+}.
 28748 | D:14     | 28748 ||| SWAPPING to +6 heavy broad axe.
 28749 | D:14     | 28749 ||| SWAPPING to +9 broad axe "Kosum" {antimagic,
                  | rC+}.
 28750 | D:14     | 28750 ||| SWAPPING to +6 heavy broad axe.
 28751 | D:14     | 28751 ||| SWAPPING to +9 broad axe "Kosum" {antimagic,
                  | rC+}.
 28752 | D:14     | 28752 ||| SWAPPING to +6 heavy broad axe.
 28753 | D:14     | 28753 ||| SWAPPING to +9 broad axe "Kosum" {antimagic,
                  | rC+}.
 28754 | D:14     | 28754 ||| SWAPPING to +6 heavy broad axe.
 28755 | D:14     | 28755 ||| SWAPPING to +9 broad axe "Kosum" {antimagic,
                  | rC+}.
 28756 | D:14     | 28756 ||| SWAPPING to +6 heavy broad axe.
 28757 | D:14     | 28757 ||| SWAPPING to +9 broad axe "Kosum" {antimagic,
                  | rC+}.
 28758 | D:14     | 28758 ||| SWAPPING to +6 heavy broad axe.
 28759 | D:14     | 28759 ||| SWAPPING to +9 broad axe "Kosum" {antimagic,
                  | rC+}.
 28760 | D:14     | 28760 ||| SWAPPING to +6 heavy broad axe.
 28761 | D:14     | 28761 ||| SWAPPING to +9 broad axe "Kosum" {antimagic,
                  | rC+}.
 28762 | D:14     | 28762 ||| SWAPPING to +6 heavy broad axe.
 28763 | D:14     | 28763 ||| SWAPPING to +9 broad axe "Kosum" {antimagic,
                  | rC+}.
 28764 | D:14     | 28764 ||| SWAPPING to +6 heavy broad axe.
 28765 | D:14     | 28765 ||| SWAPPING to +9 broad axe "Kosum" {antimagic,
                  | rC+}.
 28766 | D:14     | 28766 ||| SWAPPING to +6 heavy broad axe.
 28767 | D:14     | 28767 ||| SWAPPING to +9 broad axe "Kosum" {antimagic,
                  | rC+}.
 28768 | D:14     | 28768 ||| SWAPPING to +6 heavy broad axe.
 28769 | D:14     | 28769 ||| SWAPPING to +9 broad axe "Kosum" {antimagic,
                  | rC+}.
 28770 | D:14     | 28770 ||| SWAPPING to +6 heavy broad axe.
 28771 | D:14     | 28771 ||| SWAPPING to +9 broad axe "Kosum" {antimagic,
                  | rC+}.
 28772 | D:14     | 28772 ||| SWAPPING to +6 heavy broad axe.
 28773 | D:14     | 28773 ||| SWAPPING to +9 broad axe "Kosum" {antimagic,
                  | rC+}.
 28774 | D:14     | 28774 ||| SWAPPING to +6 heavy broad axe.
 28775 | D:14     | 28775 ||| SWAPPING to +9 broad axe "Kosum" {antimagic,
                  | rC+}.
 28776 | D:14     | 28776 ||| SWAPPING to +6 heavy broad axe.
 28777 | D:14     | 28777 ||| SWAPPING to +9 broad axe "Kosum" {antimagic,
                  | rC+}.
 28778 | D:14     | 28778 ||| SWAPPING to +6 heavy broad axe.
 28779 | D:14     | 28779 ||| SWAPPING to +9 broad axe "Kosum" {antimagic,
                  | rC+}.
 28780 | D:14     | 28780 ||| SWAPPING to +6 heavy broad axe.
 28781 | D:14     | 28781 ||| SWAPPING to +9 broad axe "Kosum" {antimagic,
                  | rC+}.
 28782 | D:14     | 28782 ||| SWAPPING to +6 heavy broad axe.
 28783 | D:14     | 28783 ||| SWAPPING to +9 broad axe "Kosum" {antimagic,
                  | rC+}.
 28784 | D:14     | 28784 ||| SWAPPING to +6 heavy broad axe.
 28785 | D:14     | 28785 ||| SWAPPING to +9 broad axe "Kosum" {antimagic,
                  | rC+}.
 28786 | D:14     | 28786 ||| SWAPPING to +6 heavy broad axe.
 28787 | D:14     | 28787 ||| SWAPPING to +9 broad axe "Kosum" {antimagic,
                  | rC+}.
 28788 | D:14     | 28788 ||| SWAPPING to +6 heavy broad axe.
 28789 | D:14     | 28789 ||| SWAPPING to +9 broad axe "Kosum" {antimagic,
                  | rC+}.
 28790 | D:14     | 28790 ||| SWAPPING to +6 heavy broad axe.
 28791 | D:14     | 28791 ||| SWAPPING to +9 broad axe "Kosum" {antimagic,
                  | rC+}.
 28792 | D:14     | 28792 ||| SWAPPING to +6 heavy broad axe.
 28793 | D:14     | 28793 ||| SWAPPING to +9 broad axe "Kosum" {antimagic,
                  | rC+}.
 28794 | D:14     | 28794 ||| SWAPPING to +6 heavy broad axe.
 28795 | D:14     | 28795 ||| SWAPPING to +9 broad axe "Kosum" {antimagic,
                  | rC+}.
 28796 | D:14     | 28796 ||| SWAPPING to +6 heavy broad axe.
 28797 | D:14     | 28797 ||| SWAPPING to +9 broad axe "Kosum" {antimagic,
                  | rC+}.
 28798 | D:14     | 28798 ||| SWAPPING to +6 heavy broad axe.
 28799 | D:14     | 28799 ||| SWAPPING to +9 broad axe "Kosum" {antimagic,
                  | rC+}.
 28800 | D:14     | 28800 ||| SWAPPING to +6 heavy broad axe.
 28801 | D:14     | 28801 ||| SWAPPING to +9 broad axe "Kosum" {antimagic,
                  | rC+}.
 28802 | D:14     | 28802 ||| SWAPPING to +6 heavy broad axe.
 28803 | D:14     | 28803 ||| SWAPPING to +9 broad axe "Kosum" {antimagic,
                  | rC+}.
 28804 | D:14     | 28804 ||| SWAPPING to +6 heavy broad axe.
 28805 | D:14     | 28805 ||| SWAPPING to +9 broad axe "Kosum" {antimagic,
                  | rC+}.
 28806 | D:14     | 28806 ||| SWAPPING to +6 heavy broad axe.
 28807 | D:14     | 28807 ||| SWAPPING to +9 broad axe "Kosum" {antimagic,
                  | rC+}.
 28808 | D:14     | 28808 ||| SWAPPING to +6 heavy broad axe.
 28809 | D:14     | 28809 ||| SWAPPING to +9 broad axe "Kosum" {antimagic,
                  | rC+}.
 28810 | D:14     | 28810 ||| SWAPPING to +6 heavy broad axe.
 28811 | D:14     | 28811 ||| SWAPPING to +9 broad axe "Kosum" {antimagic,
                  | rC+}.
 28812 | D:14     | 28812 ||| SWAPPING to +6 heavy broad axe.
 28813 | D:14     | 28813 ||| SWAPPING to +9 broad axe "Kosum" {antimagic,
                  | rC+}.
 28814 | D:14     | 28814 ||| SWAPPING to +6 heavy broad axe.
 28815 | D:14     | 28815 ||| SWAPPING to +9 broad axe "Kosum" {antimagic,
                  | rC+}.
 28816 | D:14     | 28816 ||| SWAPPING to +6 heavy broad axe.
 28817 | D:14     | 28817 ||| SWAPPING to +9 broad axe "Kosum" {antimagic,
                  | rC+}.
 28818 | D:14     | 28818 ||| SWAPPING to +6 heavy broad axe.
 28819 | D:14     | 28819 ||| SWAPPING to +9 broad axe "Kosum" {antimagic,
                  | rC+}.
 28820 | D:14     | 28820 ||| SWAPPING to +6 heavy broad axe.
 28821 | D:14     | 28821 ||| SWAPPING to +9 broad axe "Kosum" {antimagic,
                  | rC+}.
 28822 | D:14     | 28822 ||| SWAPPING to +6 heavy broad axe.
 28823 | D:14     | 28823 ||| SWAPPING to +9 broad axe "Kosum" {antimagic,
                  | rC+}.
 28824 | D:14     | 28824 ||| SWAPPING to +6 heavy broad axe.
 28825 | D:14     | 28825 ||| SWAPPING to +9 broad axe "Kosum" {antimagic,
                  | rC+}.
 28826 | D:14     | 28826 ||| SWAPPING to +6 heavy broad axe.
 28827 | D:14     | 28827 ||| SWAPPING to +9 broad axe "Kosum" {antimagic,
                  | rC+}.
 28828 | D:14     | 28828 ||| SWAPPING to +6 heavy broad axe.
 28829 | D:14     | 28829 ||| SWAPPING to +9 broad axe "Kosum" {antimagic,
                  | rC+}.
 28830 | D:14     | 28830 ||| SWAPPING to +6 heavy broad axe.
 28831 | D:14     | 28831 ||| SWAPPING to +9 broad axe "Kosum" {antimagic,
                  | rC+}.
 28832 | D:14     | 28832 ||| SWAPPING to +6 heavy broad axe.
 28833 | D:14     | 28833 ||| SWAPPING to +9 broad axe "Kosum" {antimagic,
                  | rC+}.
 28834 | D:14     | 28834 ||| SWAPPING to +6 heavy broad axe.
 28835 | D:14     | 28835 ||| SWAPPING to +9 broad axe "Kosum" {antimagic,
                  | rC+}.
 28836 | D:14     | 28836 ||| SWAPPING to +6 heavy broad axe.
 28837 | D:14     | 28837 ||| SWAPPING to +9 broad axe "Kosum" {antimagic,
                  | rC+}.
 28838 | D:14     | 28838 ||| SWAPPING to +6 heavy broad axe.
 28839 | D:14     | 28839 ||| SWAPPING to +9 broad axe "Kosum" {antimagic,
                  | rC+}.
 28840 | D:14     | 28840 ||| SWAPPING to +6 heavy broad axe.
 28841 | D:14     | 28841 ||| SWAPPING to +9 broad axe "Kosum" {antimagic,
                  | rC+}.
 28842 | D:14     | 28842 ||| SWAPPING to +6 heavy broad axe.
 28843 | D:14     | 28843 ||| SWAPPING to +9 broad axe "Kosum" {antimagic,
                  | rC+}.
 28844 | D:14     | 28844 ||| SWAPPING to +6 heavy broad axe.
 28845 | D:14     | 28845 ||| SWAPPING to +9 broad axe "Kosum" {antimagic,
                  | rC+}.
 28846 | D:14     | 28846 ||| SWAPPING to +6 heavy broad axe.
 28847 | D:14     | 28847 ||| SWAPPING to +9 broad axe "Kosum" {antimagic,
                  | rC+}.
 28848 | D:14     | 28848 ||| SWAPPING to +6 heavy broad axe.
 28849 | D:14     | 28849 ||| SWAPPING to +9 broad axe "Kosum" {antimagic,
                  | rC+}.
 28850 | D:14     | 28850 ||| SWAPPING to +6 heavy broad axe.
 28851 | D:14     | 28851 ||| SWAPPING to +9 broad axe "Kosum" {antimagic,
                  | rC+}.
 28852 | D:14     | 28852 ||| SWAPPING to +6 heavy broad axe.
 28853 | D:14     | 28853 ||| SWAPPING to +9 broad axe "Kosum" {antimagic,
                  | rC+}.
 28854 | D:14     | 28854 ||| SWAPPING to +6 heavy broad axe.
 28855 | D:14     | 28855 ||| SWAPPING to +9 broad axe "Kosum" {antimagic,
                  | rC+}.
 28856 | D:14     | 28856 ||| SWAPPING to +6 heavy broad axe.
 28857 | D:14     | 28857 ||| SWAPPING to +9 broad axe "Kosum" {antimagic,
                  | rC+}.
 28858 | D:14     | 28858 ||| SWAPPING to +6 heavy broad axe.
 28859 | D:14     | 28859 ||| SWAPPING to +9 broad axe "Kosum" {antimagic,
                  | rC+}.
 28860 | D:14     | 28860 ||| SWAPPING to +6 heavy broad axe.
 28861 | D:14     | 28861 ||| SWAPPING to +9 broad axe "Kosum" {antimagic,
                  | rC+}.
 28862 | D:14     | 28862 ||| SWAPPING to +6 heavy broad axe.
 28863 | D:14     | 28863 ||| SWAPPING to +9 broad axe "Kosum" {antimagic,
                  | rC+}.
 28864 | D:14     | 28864 ||| SWAPPING to +6 heavy broad axe.
 28865 | D:14     | 28865 ||| SWAPPING to +9 broad axe "Kosum" {antimagic,
                  | rC+}.
 28866 | D:14     | 28866 ||| SWAPPING to +6 heavy broad axe.
 28867 | D:14     | 28867 ||| SWAPPING to +9 broad axe "Kosum" {antimagic,
                  | rC+}.
 28868 | D:14     | 28868 ||| SWAPPING to +6 heavy broad axe.
 28869 | D:14     | 28869 ||| SWAPPING to +9 broad axe "Kosum" {antimagic,
                  | rC+}.
 28870 | D:14     | 28870 ||| SWAPPING to +6 heavy broad axe.
 28871 | D:14     | 28871 ||| SWAPPING to +9 broad axe "Kosum" {antimagic,
                  | rC+}.
 28872 | D:14     | 28872 ||| SWAPPING to +6 heavy broad axe.
 28873 | D:14     | 28873 ||| SWAPPING to +9 broad axe "Kosum" {antimagic,
                  | rC+}.
 28874 | D:14     | 28874 ||| SWAPPING to +6 heavy broad axe.
 28875 | D:14     | 28875 ||| SWAPPING to +9 broad axe "Kosum" {antimagic,
                  | rC+}.
 28876 | D:14     | 28876 ||| SWAPPING to +6 heavy broad axe.
 28877 | D:14     | 28877 ||| SWAPPING to +9 broad axe "Kosum" {antimagic,
                  | rC+}.
 28878 | D:14     | 28878 ||| SWAPPING to +6 heavy broad axe.
 28879 | D:14     | 28879 ||| SWAPPING to +9 broad axe "Kosum" {antimagic,
                  | rC+}.
 28880 | D:14     | 28880 ||| SWAPPING to +6 heavy broad axe.
 28881 | D:14     | 28881 ||| SWAPPING to +9 broad axe "Kosum" {antimagic,
                  | rC+}.
 28882 | D:14     | 28882 ||| SWAPPING to +6 heavy broad axe.
 28883 | D:14     | 28883 ||| SWAPPING to +9 broad axe "Kosum" {antimagic,
                  | rC+}.
 28884 | D:14     | 28884 ||| SWAPPING to +6 heavy broad axe.
 28885 | D:14     | 28885 ||| SWAPPING to +9 broad axe "Kosum" {antimagic,
                  | rC+}.
 28886 | D:14     | 28886 ||| SWAPPING to +6 heavy broad axe.
 28887 | D:14     | 28887 ||| SWAPPING to +9 broad axe "Kosum" {antimagic,
                  | rC+}.
 28888 | D:14     | 28888 ||| SWAPPING to +6 heavy broad axe.
 28889 | D:14     | 28889 ||| SWAPPING to +9 broad axe "Kosum" {antimagic,
                  | rC+}.
 28890 | D:14     | 28890 ||| SWAPPING to +6 heavy broad axe.
 28891 | D:14     | 28891 ||| SWAPPING to +9 broad axe "Kosum" {antimagic,
                  | rC+}.
 28892 | D:14     | 28892 ||| SWAPPING to +6 heavy broad axe.
 28893 | D:14     | 28893 ||| SWAPPING to +9 broad axe "Kosum" {antimagic,
                  | rC+}.
 28894 | D:14     | 28894 ||| SWAPPING to +6 heavy broad axe.
 28895 | D:14     | 28895 ||| SWAPPING to +9 broad axe "Kosum" {antimagic,
                  | rC+}.
 28896 | D:14     | 28896 ||| SWAPPING to +6 heavy broad axe.
 28897 | D:14     | 28897 ||| SWAPPING to +9 broad axe "Kosum" {antimagic,
                  | rC+}.
 28898 | D:14     | 28898 ||| SWAPPING to +6 heavy broad axe.
 28899 | D:14     | 28899 ||| SWAPPING to +9 broad axe "Kosum" {antimagic,
                  | rC+}.
 28900 | D:14     | 28900 ||| SWAPPING to +6 heavy broad axe.
 28901 | D:14     | 28901 ||| SWAPPING to +9 broad axe "Kosum" {antimagic,
                  | rC+}.
 28902 | D:14     | 28902 ||| SWAPPING to +6 heavy broad axe.
 28903 | D:14     | 28903 ||| SWAPPING to +9 broad axe "Kosum" {antimagic,
                  | rC+}.
 28904 | D:14     | 28904 ||| SWAPPING to +6 heavy broad axe.
 28905 | D:14     | 28905 ||| SWAPPING to +9 broad axe "Kosum" {antimagic,
                  | rC+}.
 28906 | D:14     | 28906 ||| SWAPPING to +6 heavy broad axe.
 28907 | D:14     | 28907 ||| SWAPPING to +9 broad axe "Kosum" {antimagic,
                  | rC+}.
 28908 | D:14     | 28908 ||| SWAPPING to +6 heavy broad axe.
 28909 | D:14     | 28909 ||| SWAPPING to +9 broad axe "Kosum" {antimagic,
                  | rC+}.
 28910 | D:14     | 28910 ||| SWAPPING to +6 heavy broad axe.
 28911 | D:14     | 28911 ||| SWAPPING to +9 broad axe "Kosum" {antimagic,
                  | rC+}.
 28912 | D:14     | 28912 ||| SWAPPING to +6 heavy broad axe.
 28913 | D:14     | 28913 ||| SWAPPING to +9 broad axe "Kosum" {antimagic,
                  | rC+}.
 28914 | D:14     | 28914 ||| SWAPPING to +6 heavy broad axe.
 28915 | D:14     | 28915 ||| SWAPPING to +9 broad axe "Kosum" {antimagic,
                  | rC+}.
 28916 | D:14     | 28916 ||| SWAPPING to +6 heavy broad axe.
 28917 | D:14     | 28917 ||| SWAPPING to +9 broad axe "Kosum" {antimagic,
                  | rC+}.
 28918 | D:14     | 28918 ||| SWAPPING to +6 heavy broad axe.
 28919 | D:14     | 28919 ||| SWAPPING to +9 broad axe "Kosum" {antimagic,
                  | rC+}.
 28920 | D:14     | 28920 ||| SWAPPING to +6 heavy broad axe.
 28921 | D:14     | 28921 ||| SWAPPING to +9 broad axe "Kosum" {antimagic,
                  | rC+}.
 28922 | D:14     | 28922 ||| SWAPPING to +6 heavy broad axe.
 28923 | D:14     | 28923 ||| SWAPPING to +9 broad axe "Kosum" {antimagic,
                  | rC+}.
 28924 | D:14     | 28924 ||| SWAPPING to +6 heavy broad axe.
 28925 | D:14     | 28925 ||| SWAPPING to +9 broad axe "Kosum" {antimagic,
                  | rC+}.
 28926 | D:14     | 28926 ||| SWAPPING to +6 heavy broad axe.
 28927 | D:14     | 28927 ||| SWAPPING to +9 broad axe "Kosum" {antimagic,
                  | rC+}.
 28928 | D:14     | 28928 ||| SWAPPING to +6 heavy broad axe.
 28929 | D:14     | 28929 ||| SWAPPING to +9 broad axe "Kosum" {antimagic,
                  | rC+}.
 28930 | D:14     | 28930 ||| SWAPPING to +6 heavy broad axe.
 28931 | D:14     | 28931 ||| SWAPPING to +9 broad axe "Kosum" {antimagic,
                  | rC+}.
 28932 | D:14     | 28932 ||| SWAPPING to +6 heavy broad axe.
 28933 | D:14     | 28933 ||| SWAPPING to +9 broad axe "Kosum" {antimagic,
                  | rC+}.
 28934 | D:14     | 28934 ||| SWAPPING to +6 heavy broad axe.
 28935 | D:14     | 28935 ||| SWAPPING to +9 broad axe "Kosum" {antimagic,
                  | rC+}.
 28936 | D:14     | 28936 ||| SWAPPING to +6 heavy broad axe.
 28937 | D:14     | 28937 ||| SWAPPING to +9 broad axe "Kosum" {antimagic,
                  | rC+}.
 28938 | D:14     | 28938 ||| SWAPPING to +6 heavy broad axe.
 28939 | D:14     | 28939 ||| SWAPPING to +9 broad axe "Kosum" {antimagic,
                  | rC+}.
 28940 | D:14     | 28940 ||| SWAPPING to +6 heavy broad axe.
 28941 | D:14     | 28941 ||| SWAPPING to +9 broad axe "Kosum" {antimagic,
                  | rC+}.
 28942 | D:14     | 28942 ||| SWAPPING to +6 heavy broad axe.
 28943 | D:14     | 28943 ||| SWAPPING to +9 broad axe "Kosum" {antimagic,
                  | rC+}.
 28944 | D:14     | 28944 ||| SWAPPING to +6 heavy broad axe.
 28945 | D:14     | 28945 ||| SWAPPING to +9 broad axe "Kosum" {antimagic,
                  | rC+}.
 28946 | D:14     | 28946 ||| SWAPPING to +6 heavy broad axe.
 28947 | D:14     | 28947 ||| SWAPPING to +9 broad axe "Kosum" {antimagic,
                  | rC+}.
 28948 | D:14     | 28948 ||| SWAPPING to +6 heavy broad axe.
 28949 | D:14     | 28949 ||| SWAPPING to +9 broad axe "Kosum" {antimagic,
                  | rC+}.
 28950 | D:14     | 28950 ||| SWAPPING to +6 heavy broad axe.
 28951 | D:14     | 28951 ||| SWAPPING to +9 broad axe "Kosum" {antimagic,
                  | rC+}.
 28952 | D:14     | 28952 ||| SWAPPING to +6 heavy broad axe.
 28953 | D:14     | 28953 ||| SWAPPING to +9 broad axe "Kosum" {antimagic,
                  | rC+}.
 28954 | D:14     | 28954 ||| SWAPPING to +6 heavy broad axe.
 28955 | D:14     | 28955 ||| SWAPPING to +9 broad axe "Kosum" {antimagic,
                  | rC+}.
 28956 | D:14     | 28956 ||| SWAPPING to +6 heavy broad axe.
 28957 | D:14     | 28957 ||| SWAPPING to +9 broad axe "Kosum" {antimagic,
                  | rC+}.
 28958 | D:14     | 28958 ||| SWAPPING to +6 heavy broad axe.
 28959 | D:14     | 28959 ||| SWAPPING to +9 broad axe "Kosum" {antimagic,
                  | rC+}.
 28960 | D:14     | 28960 ||| SWAPPING to +6 heavy broad axe.
 28961 | D:14     | 28961 ||| SWAPPING to +9 broad axe "Kosum" {antimagic,
                  | rC+}.
 28962 | D:14     | 28962 ||| SWAPPING to +6 heavy broad axe.
 28963 | D:14     | 28963 ||| SWAPPING to +9 broad axe "Kosum" {antimagic,
                  | rC+}.
 28964 | D:14     | 28964 ||| SWAPPING to +6 heavy broad axe.
 28965 | D:14     | 28965 ||| SWAPPING to +9 broad axe "Kosum" {antimagic,
                  | rC+}.
 28966 | D:14     | 28966 ||| SWAPPING to +6 heavy broad axe.
 28967 | D:14     | 28967 ||| SWAPPING to +9 broad axe "Kosum" {antimagic,
                  | rC+}.
 28968 | D:14     | 28968 ||| SWAPPING to +6 heavy broad axe.
 28969 | D:14     | 28969 ||| SWAPPING to +9 broad axe "Kosum" {antimagic,
                  | rC+}.
 28970 | D:14     | 28970 ||| SWAPPING to +6 heavy broad axe.
 28971 | D:14     | 28971 ||| SWAPPING to +9 broad axe "Kosum" {antimagic,
                  | rC+}.
 28972 | D:14     | 28972 ||| SWAPPING to +6 heavy broad axe.
 28973 | D:14     | 28973 ||| SWAPPING to +9 broad axe "Kosum" {antimagic,
                  | rC+}.
 28974 | D:14     | 28974 ||| SWAPPING to +6 heavy broad axe.
 28975 | D:14     | 28975 ||| SWAPPING to +9 broad axe "Kosum" {antimagic,
                  | rC+}.
 28976 | D:14     | 28976 ||| SWAPPING to +6 heavy broad axe.
 28977 | D:14     | 28977 ||| SWAPPING to +9 broad axe "Kosum" {antimagic,
                  | rC+}.
 28978 | D:14     | 28978 ||| SWAPPING to +6 heavy broad axe.
 28979 | D:14     | 28979 ||| SWAPPING to +9 broad axe "Kosum" {antimagic,
                  | rC+}.
 28980 | D:14     | 28980 ||| SWAPPING to +6 heavy broad axe.
 28981 | D:14     | 28981 ||| SWAPPING to +9 broad axe "Kosum" {antimagic,
                  | rC+}.
 28982 | D:14     | 28982 ||| SWAPPING to +6 heavy broad axe.
 28983 | D:14     | 28983 ||| SWAPPING to +9 broad axe "Kosum" {antimagic,
                  | rC+}.
 28984 | D:14     | 28984 ||| SWAPPING to +6 heavy broad axe.
 28985 | D:14     | 28985 ||| SWAPPING to +9 broad axe "Kosum" {antimagic,
                  | rC+}.
 28986 | D:14     | 28986 ||| SWAPPING to +6 heavy broad axe.
 28987 | D:14     | 28987 ||| SWAPPING to +9 broad axe "Kosum" {antimagic,
                  | rC+}.
 28988 | D:14     | 28988 ||| SWAPPING to +6 heavy broad axe.
 28989 | D:14     | 28989 ||| SWAPPING to +9 broad axe "Kosum" {antimagic,
                  | rC+}.
 28990 | D:14     | 28990 ||| SWAPPING to +6 heavy broad axe.
 28991 | D:14     | 28991 ||| SWAPPING to +9 broad axe "Kosum" {antimagic,
                  | rC+}.
 28992 | D:14     | 28992 ||| SWAPPING to +6 heavy broad axe.
 28993 | D:14     | 28993 ||| SWAPPING to +9 broad axe "Kosum" {antimagic,
                  | rC+}.
 28994 | D:14     | 28994 ||| SWAPPING to +6 heavy broad axe.
 28995 | D:14     | 28995 ||| SWAPPING to +9 broad axe "Kosum" {antimagic,
                  | rC+}.
 28996 | D:14     | 28996 ||| SWAPPING to +6 heavy broad axe.
 28997 | D:14     | 28997 ||| SWAPPING to +9 broad axe "Kosum" {antimagic,
                  | rC+}.
 28998 | D:14     | 28998 ||| SWAPPING to +6 heavy broad axe.
 28999 | D:14     | 28999 ||| SWAPPING to +9 broad axe "Kosum" {antimagic,
                  | rC+}.
 29000 | D:14     | 29000 ||| SWAPPING to +6 heavy broad axe.
 29001 | D:14     | 29001 ||| SWAPPING to +9 broad axe "Kosum" {antimagic,
                  | rC+}.
 29002 | D:14     | 29002 ||| SWAPPING to +6 heavy broad axe.
 29003 | D:14     | 29003 ||| SWAPPING to +9 broad axe "Kosum" {antimagic,
                  | rC+}.
 29004 | D:14     | 29004 ||| SWAPPING to +6 heavy broad axe.
 29005 | D:14     | 29005 ||| SWAPPING to +9 broad axe "Kosum" {antimagic,
                  | rC+}.
 29006 | D:14     | 29006 ||| SWAPPING to +6 heavy broad axe.
 29007 | D:14     | 29007 ||| SWAPPING to +9 broad axe "Kosum" {antimagic,
                  | rC+}.
 29008 | D:14     | 29008 ||| SWAPPING to +6 heavy broad axe.
 29009 | D:14     | 29009 ||| SWAPPING to +9 broad axe "Kosum" {antimagic,
                  | rC+}.
 29010 | D:14     | 29010 ||| SWAPPING to +6 heavy broad axe.
 29011 | D:14     | 29011 ||| SWAPPING to +9 broad axe "Kosum" {antimagic,
                  | rC+}.
 29012 | D:14     | 29012 ||| SWAPPING to +6 heavy broad axe.
 29013 | D:14     | 29013 ||| SWAPPING to +9 broad axe "Kosum" {antimagic,
                  | rC+}.
 29014 | D:14     | 29014 ||| SWAPPING to +6 heavy broad axe.
 29015 | D:14     | 29015 ||| SWAPPING to +9 broad axe "Kosum" {antimagic,
                  | rC+}.
 29016 | D:14     | 29016 ||| SWAPPING to +6 heavy broad axe.
 29017 | D:14     | 29017 ||| SWAPPING to +9 broad axe "Kosum" {antimagic,
                  | rC+}.
 29018 | D:14     | 29018 ||| SWAPPING to +6 heavy broad axe.
 29019 | D:14     | 29019 ||| SWAPPING to +9 broad axe "Kosum" {antimagic,
                  | rC+}.
 29020 | D:14     | 29020 ||| SWAPPING to +6 heavy broad axe.
 29021 | D:14     | 29021 ||| SWAPPING to +9 broad axe "Kosum" {antimagic,
                  | rC+}.
 29022 | D:14     | 29022 ||| SWAPPING to +6 heavy broad axe.
 29023 | D:14     | 29023 ||| SWAPPING to +9 broad axe "Kosum" {antimagic,
                  | rC+}.
 29024 | D:14     | 29024 ||| SWAPPING to +6 heavy broad axe.
 29025 | D:14     | 29025 ||| SWAPPING to +9 broad axe "Kosum" {antimagic,
                  | rC+}.
 29026 | D:14     | 29026 ||| SWAPPING to +6 heavy broad axe.
 29027 | D:14     | 29027 ||| SWAPPING to +9 broad axe "Kosum" {antimagic,
                  | rC+}.
 29028 | D:14     | 29028 ||| SWAPPING to +6 heavy broad axe.
 29029 | D:14     | 29029 ||| SWAPPING to +9 broad axe "Kosum" {antimagic,
                  | rC+}.
 29030 | D:14     | 29030 ||| SWAPPING to +6 heavy broad axe.
 29031 | D:14     | 29031 ||| SWAPPING to +9 broad axe "Kosum" {antimagic,
                  | rC+}.
 29032 | D:14     | 29032 ||| SWAPPING to +6 heavy broad axe.
 29033 | D:14     | 29033 ||| SWAPPING to +9 broad axe "Kosum" {antimagic,
                  | rC+}.
 29034 | D:14     | 29034 ||| SWAPPING to +6 heavy broad axe.
 29035 | D:14     | 29035 ||| SWAPPING to +9 broad axe "Kosum" {antimagic,
                  | rC+}.
 29036 | D:14     | 29036 ||| SWAPPING to +6 heavy broad axe.
 29037 | D:14     | 29037 ||| SWAPPING to +9 broad axe "Kosum" {antimagic,
                  | rC+}.
 29038 | D:14     | 29038 ||| SWAPPING to +6 heavy broad axe.
 29039 | D:14     | 29039 ||| SWAPPING to +9 broad axe "Kosum" {antimagic,
                  | rC+}.
 29040 | D:14     | 29040 ||| SWAPPING to +6 heavy broad axe.
 29041 | D:14     | 29041 ||| SWAPPING to +9 broad axe "Kosum" {antimagic,
                  | rC+}.
 29042 | D:14     | 29042 ||| SWAPPING to +6 heavy broad axe.
 29043 | D:14     | 29043 ||| SWAPPING to +9 broad axe "Kosum" {antimagic,
                  | rC+}.
 29044 | D:14     | 29044 ||| SWAPPING to +6 heavy broad axe.
 29045 | D:14     | 29045 ||| SWAPPING to +9 broad axe "Kosum" {antimagic,
                  | rC+}.
 29046 | D:14     | 29046 ||| SWAPPING to +6 heavy broad axe.
 29047 | D:14     | 29047 ||| SWAPPING to +9 broad axe "Kosum" {antimagic,
                  | rC+}.
 29048 | D:14     | 29048 ||| SWAPPING to +6 heavy broad axe.
 29049 | D:14     | 29049 ||| SWAPPING to +9 broad axe "Kosum" {antimagic,
                  | rC+}.
 29050 | D:14     | 29050 ||| SWAPPING to +6 heavy broad axe.
 29051 | D:14     | 29051 ||| SWAPPING to +9 broad axe "Kosum" {antimagic,
                  | rC+}.
 29052 | D:14     | 29052 ||| SWAPPING to +6 heavy broad axe.
 29053 | D:14     | 29053 ||| SWAPPING to +9 broad axe "Kosum" {antimagic,
                  | rC+}.
 29054 | D:14     | 29054 ||| SWAPPING to +6 heavy broad axe.
 29055 | D:14     | 29055 ||| SWAPPING to +9 broad axe "Kosum" {antimagic,
                  | rC+}.
 29056 | D:14     | 29056 ||| SWAPPING to +6 heavy broad axe.
 29057 | D:14     | 29057 ||| SWAPPING to +9 broad axe "Kosum" {antimagic,
                  | rC+}.
 29058 | D:14     | 29058 ||| SWAPPING to +6 heavy broad axe.
 29059 | D:14     | 29059 ||| SWAPPING to +9 broad axe "Kosum" {antimagic,
                  | rC+}.
 29060 | D:14     | 29060 ||| SWAPPING to +6 heavy broad axe.
 29061 | D:14     | 29061 ||| SWAPPING to +9 broad axe "Kosum" {antimagic,
                  | rC+}.
 29062 | D:14     | 29062 ||| SWAPPING to +6 heavy broad axe.
 29063 | D:14     | 29063 ||| SWAPPING to +9 broad axe "Kosum" {antimagic,
                  | rC+}.
 29064 | D:14     | 29064 ||| SWAPPING to +6 heavy broad axe.
 29065 | D:14     | 29065 ||| SWAPPING to +9 broad axe "Kosum" {antimagic,
                  | rC+}.
 29066 | D:14     | 29066 ||| SWAPPING to +6 heavy broad axe.
 29067 | D:14     | 29067 ||| SWAPPING to +9 broad axe "Kosum" {antimagic,
                  | rC+}.
 29068 | D:14     | 29068 ||| SWAPPING to +6 heavy broad axe.
 29069 | D:14     | 29069 ||| SWAPPING to +9 broad axe "Kosum" {antimagic,
                  | rC+}.
 29070 | D:14     | 29070 ||| SWAPPING to +6 heavy broad axe.
 29071 | D:14     | 29071 ||| SWAPPING to +9 broad axe "Kosum" {antimagic,
                  | rC+}.
 29072 | D:14     | 29072 ||| SWAPPING to +6 heavy broad axe.
 29073 | D:14     | 29073 ||| SWAPPING to +9 broad axe "Kosum" {antimagic,
                  | rC+}.
 29074 | D:14     | 29074 ||| SWAPPING to +6 heavy broad axe.
 29075 | D:14     | 29075 ||| SWAPPING to +9 broad axe "Kosum" {antimagic,
                  | rC+}.
 29076 | D:14     | 29076 ||| SWAPPING to +6 heavy broad axe.
 29077 | D:14     | 29077 ||| SWAPPING to +9 broad axe "Kosum" {antimagic,
                  | rC+}.
 29078 | D:14     | 29078 ||| SWAPPING to +6 heavy broad axe.
 29079 | D:14     | 29079 ||| SWAPPING to +9 broad axe "Kosum" {antimagic,
                  | rC+}.
 29080 | D:14     | 29080 ||| SWAPPING to +6 heavy broad axe.
 29081 | D:14     | 29081 ||| SWAPPING to +9 broad axe "Kosum" {antimagic,
                  | rC+}.
 29082 | D:14     | 29082 ||| SWAPPING to +6 heavy broad axe.
 29083 | D:14     | 29083 ||| SWAPPING to +9 broad axe "Kosum" {antimagic,
                  | rC+}.
 29084 | D:14     | 29084 ||| SWAPPING to +6 heavy broad axe.
 29085 | D:14     | 29085 ||| SWAPPING to +9 broad axe "Kosum" {antimagic,
                  | rC+}.
 29086 | D:14     | 29086 ||| SWAPPING to +6 heavy broad axe.
 29087 | D:14     | 29087 ||| SWAPPING to +9 broad axe "Kosum" {antimagic,
                  | rC+}.
 29088 | D:14     | 29088 ||| SWAPPING to +6 heavy broad axe.
 29089 | D:14     | 29089 ||| SWAPPING to +9 broad axe "Kosum" {antimagic,
                  | rC+}.
 29090 | D:14     | 29090 ||| SWAPPING to +6 heavy broad axe.
 29091 | D:14     | 29091 ||| SWAPPING to +9 broad axe "Kosum" {antimagic,
                  | rC+}.
 29092 | D:14     | 29092 ||| SWAPPING to +6 heavy broad axe.
 29093 | D:14     | 29093 ||| SWAPPING to +9 broad axe "Kosum" {antimagic,
                  | rC+}.
 29094 | D:14     | 29094 ||| SWAPPING to +6 heavy broad axe.
 29095 | D:14     | 29095 ||| SWAPPING to +9 broad axe "Kosum" {antimagic,
                  | rC+}.
 29096 | D:14     | 29096 ||| SWAPPING to +6 heavy broad axe.
 29097 | D:14     | 29097 ||| SWAPPING to +9 broad axe "Kosum" {antimagic,
                  | rC+}.
 29098 | D:14     | 29098 ||| SWAPPING to +6 heavy broad axe.
 29099 | D:14     | 29099 ||| SWAPPING to +9 broad axe "Kosum" {antimagic,
                  | rC+}.
 29100 | D:14     | 29100 ||| SWAPPING to +6 heavy broad axe.
 29101 | D:14     | 29101 ||| SWAPPING to +9 broad axe "Kosum" {antimagic,
                  | rC+}.
 29102 | D:14     | 29102 ||| SWAPPING to +6 heavy broad axe.
 29103 | D:14     | 29103 ||| SWAPPING to +9 broad axe "Kosum" {antimagic,
                  | rC+}.
 29104 | D:14     | 29104 ||| SWAPPING to +6 heavy broad axe.
 29105 | D:14     | 29105 ||| SWAPPING to +9 broad axe "Kosum" {antimagic,
                  | rC+}.
 29106 | D:14     | 29106 ||| SWAPPING to +6 heavy broad axe.
 29107 | D:14     | 29107 ||| SWAPPING to +9 broad axe "Kosum" {antimagic,
                  | rC+}.
 29108 | D:14     | 29108 ||| SWAPPING to +6 heavy broad axe.
 29109 | D:14     | 29109 ||| SWAPPING to +9 broad axe "Kosum" {antimagic,
                  | rC+}.
 29110 | D:14     | 29110 ||| SWAPPING to +6 heavy broad axe.
 29111 | D:14     | 29111 ||| SWAPPING to +9 broad axe "Kosum" {antimagic,
                  | rC+}.
 29112 | D:14     | 29112 ||| SWAPPING to +6 heavy broad axe.
 29113 | D:14     | 29113 ||| SWAPPING to +9 broad axe "Kosum" {antimagic,
                  | rC+}.
 29114 | D:14     | 29114 ||| SWAPPING to +6 heavy broad axe.
 29115 | D:14     | 29115 ||| SWAPPING to +9 broad axe "Kosum" {antimagic,
                  | rC+}.
 29116 | D:14     | 29116 ||| SWAPPING to +6 heavy broad axe.
 29117 | D:14     | 29117 ||| SWAPPING to +9 broad axe "Kosum" {antimagic,
                  | rC+}.
 29118 | D:14     | 29118 ||| SWAPPING to +6 heavy broad axe.
 29119 | D:14     | 29119 ||| SWAPPING to +9 broad axe "Kosum" {antimagic,
                  | rC+}.
 29120 | D:14     | 29120 ||| SWAPPING to +6 heavy broad axe.
 29121 | D:14     | 29121 ||| SWAPPING to +9 broad axe "Kosum" {antimagic,
                  | rC+}.
 29122 | D:14     | 29122 ||| SWAPPING to +6 heavy broad axe.
 29123 | D:14     | 29123 ||| SWAPPING to +9 broad axe "Kosum" {antimagic,
                  | rC+}.
 29124 | D:14     | 29124 ||| SWAPPING to +6 heavy broad axe.
 29125 | D:14     | 29125 ||| SWAPPING to +9 broad axe "Kosum" {antimagic,
                  | rC+}.
 29126 | D:14     | 29126 ||| SWAPPING to +6 heavy broad axe.
 29127 | D:14     | 29127 ||| SWAPPING to +9 broad axe "Kosum" {antimagic,
                  | rC+}.
 29128 | D:14     | 29128 ||| SWAPPING to +6 heavy broad axe.
 29129 | D:14     | 29129 ||| SWAPPING to +9 broad axe "Kosum" {antimagic,
                  | rC+}.
 29130 | D:14     | 29130 ||| SWAPPING to +6 heavy broad axe.
 29131 | D:14     | 29131 ||| SWAPPING to +9 broad axe "Kosum" {antimagic,
                  | rC+}.
 29132 | D:14     | 29132 ||| SWAPPING to +6 heavy broad axe.
 29133 | D:14     | 29133 ||| SWAPPING to +9 broad axe "Kosum" {antimagic,
                  | rC+}.
 29134 | D:14     | 29134 ||| SWAPPING to +6 heavy broad axe.
 29135 | D:14     | 29135 ||| SWAPPING to +9 broad axe "Kosum" {antimagic,
                  | rC+}.
 29136 | D:14     | 29136 ||| SWAPPING to +6 heavy broad axe.
 29137 | D:14     | 29137 ||| SWAPPING to +9 broad axe "Kosum" {antimagic,
                  | rC+}.
 29138 | D:14     | 29138 ||| SWAPPING to +6 heavy broad axe.
 29139 | D:14     | 29139 ||| SWAPPING to +9 broad axe "Kosum" {antimagic,
                  | rC+}.
 29140 | D:14     | 29140 ||| SWAPPING to +6 heavy broad axe.
 29141 | D:14     | 29141 ||| SWAPPING to +9 broad axe "Kosum" {antimagic,
                  | rC+}.
 29142 | D:14     | 29142 ||| SWAPPING to +6 heavy broad axe.
 29143 | D:14     | 29143 ||| SWAPPING to +9 broad axe "Kosum" {antimagic,
                  | rC+}.
 29144 | D:14     | 29144 ||| SWAPPING to +6 heavy broad axe.
 29145 | D:14     | 29145 ||| SWAPPING to +9 broad axe "Kosum" {antimagic,
                  | rC+}.
 29146 | D:14     | 29146 ||| SWAPPING to +6 heavy broad axe.
 29147 | D:14     | 29147 ||| SWAPPING to +9 broad axe "Kosum" {antimagic,
                  | rC+}.
 29148 | D:14     | 29148 ||| SWAPPING to +6 heavy broad axe.
 29149 | D:14     | 29149 ||| SWAPPING to +9 broad axe "Kosum" {antimagic,
                  | rC+}.
 29150 | D:14     | 29150 ||| SWAPPING to +6 heavy broad axe.
 29151 | D:14     | 29151 ||| SWAPPING to +9 broad axe "Kosum" {antimagic,
                  | rC+}.
 29152 | D:14     | 29152 ||| SWAPPING to +6 heavy broad axe.
 29153 | D:14     | 29153 ||| SWAPPING to +9 broad axe "Kosum" {antimagic,
                  | rC+}.
 29154 | D:14     | 29154 ||| SWAPPING to +6 heavy broad axe.
 29155 | D:14     | 29155 ||| SWAPPING to +9 broad axe "Kosum" {antimagic,
                  | rC+}.
 29156 | D:14     | 29156 ||| SWAPPING to +6 heavy broad axe.
 29157 | D:14     | 29157 ||| SWAPPING to +9 broad axe "Kosum" {antimagic,
                  | rC+}.
 29158 | D:14     | 29158 ||| SWAPPING to +6 heavy broad axe.
 29159 | D:14     | 29159 ||| SWAPPING to +9 broad axe "Kosum" {antimagic,
                  | rC+}.
 29160 | D:14     | 29160 ||| SWAPPING to +6 heavy broad axe.
 29161 | D:14     | 29161 ||| SWAPPING to +9 broad axe "Kosum" {antimagic,
                  | rC+}.
 29162 | D:14     | 29162 ||| SWAPPING to +6 heavy broad axe.
 29163 | D:14     | 29163 ||| SWAPPING to +9 broad axe "Kosum" {antimagic,
                  | rC+}.
 29164 | D:14     | 29164 ||| SWAPPING to +6 heavy broad axe.
 29165 | D:14     | 29165 ||| SWAPPING to +9 broad axe "Kosum" {antimagic,
                  | rC+}.
 29166 | D:14     | 29166 ||| SWAPPING to +6 heavy broad axe.
 29167 | D:14     | 29167 ||| SWAPPING to +9 broad axe "Kosum" {antimagic,
                  | rC+}.
 29168 | D:14     | 29168 ||| SWAPPING to +6 heavy broad axe.
 29169 | D:14     | 29169 ||| SWAPPING to +9 broad axe "Kosum" {antimagic,
                  | rC+}.
 29170 | D:14     | 29170 ||| SWAPPING to +6 heavy broad axe.
 29171 | D:14     | 29171 ||| SWAPPING to +9 broad axe "Kosum" {antimagic,
                  | rC+}.
 29172 | D:14     | 29172 ||| SWAPPING to +6 heavy broad axe.
 29173 | D:14     | 29173 ||| SWAPPING to +9 broad axe "Kosum" {antimagic,
                  | rC+}.
 29174 | D:14     | 29174 ||| SWAPPING to +6 heavy broad axe.
 29175 | D:14     | 29175 ||| SWAPPING to +9 broad axe "Kosum" {antimagic,
                  | rC+}.
 29176 | D:14     | 29176 ||| SWAPPING to +6 heavy broad axe.
 29177 | D:14     | 29177 ||| SWAPPING to +9 broad axe "Kosum" {antimagic,
                  | rC+}.
 29178 | D:14     | 29178 ||| SWAPPING to +6 heavy broad axe.
 29179 | D:14     | 29179 ||| SWAPPING to +9 broad axe "Kosum" {antimagic,
                  | rC+}.
 29180 | D:14     | 29180 ||| SWAPPING to +6 heavy broad axe.
 29181 | D:14     | 29181 ||| SWAPPING to +9 broad axe "Kosum" {antimagic,
                  | rC+}.
 29182 | D:14     | 29182 ||| SWAPPING to +6 heavy broad axe.
 29183 | D:14     | 29183 ||| SWAPPING to +9 broad axe "Kosum" {antimagic,
                  | rC+}.
 29184 | D:14     | 29184 ||| SWAPPING to +6 heavy broad axe.
 29185 | D:14     | 29185 ||| SWAPPING to +9 broad axe "Kosum" {antimagic,
                  | rC+}.
 29186 | D:14     | 29186 ||| SWAPPING to +6 heavy broad axe.
 29187 | D:14     | 29187 ||| SWAPPING to +9 broad axe "Kosum" {antimagic,
                  | rC+}.
 29188 | D:14     | 29188 ||| SWAPPING to +6 heavy broad axe.
 29189 | D:14     | 29189 ||| SWAPPING to +9 broad axe "Kosum" {antimagic,
                  | rC+}.
 29190 | D:14     | 29190 ||| SWAPPING to +6 heavy broad axe.
 29191 | D:14     | 29191 ||| SWAPPING to +9 broad axe "Kosum" {antimagic,
                  | rC+}.
 29192 | D:14     | 29192 ||| SWAPPING to +6 heavy broad axe.
 29193 | D:14     | 29193 ||| SWAPPING to +9 broad axe "Kosum" {antimagic,
                  | rC+}.
 29194 | D:14     | 29194 ||| SWAPPING to +6 heavy broad axe.
 29195 | D:14     | 29195 ||| SWAPPING to +9 broad axe "Kosum" {antimagic,
                  | rC+}.
 29196 | D:14     | 29196 ||| SWAPPING to +6 heavy broad axe.
 29197 | D:14     | 29197 ||| SWAPPING to +9 broad axe "Kosum" {antimagic,
                  | rC+}.
 29198 | D:14     | 29198 ||| SWAPPING to +6 heavy broad axe.
 29199 | D:14     | 29199 ||| SWAPPING to +9 broad axe "Kosum" {antimagic,
                  | rC+}.
 29200 | D:14     | 29200 ||| SWAPPING to +6 heavy broad axe.
 29201 | D:14     | 29201 ||| SWAPPING to +9 broad axe "Kosum" {antimagic,
                  | rC+}.
 29202 | D:14     | 29202 ||| SWAPPING to +6 heavy broad axe.
 29203 | D:14     | 29203 ||| SWAPPING to +9 broad axe "Kosum" {antimagic,
                  | rC+}.
 29204 | D:14     | 29204 ||| SWAPPING to +6 heavy broad axe.
 29205 | D:14     | 29205 ||| SWAPPING to +9 broad axe "Kosum" {antimagic,
                  | rC+}.
 29206 | D:14     | 29206 ||| SWAPPING to +6 heavy broad axe.
 29207 | D:14     | 29207 ||| SWAPPING to +9 broad axe "Kosum" {antimagic,
                  | rC+}.
 29208 | D:14     | 29208 ||| SWAPPING to +6 heavy broad axe.
 29209 | D:14     | 29209 ||| SWAPPING to +9 broad axe "Kosum" {antimagic,
                  | rC+}.
 29210 | D:14     | 29210 ||| SWAPPING to +6 heavy broad axe.
 29211 | D:14     | 29211 ||| SWAPPING to +9 broad axe "Kosum" {antimagic,
                  | rC+}.
 29212 | D:14     | 29212 ||| SWAPPING to +6 heavy broad axe.
 29213 | D:14     | 29213 ||| SWAPPING to +9 broad axe "Kosum" {antimagic,
                  | rC+}.
 29214 | D:14     | 29214 ||| SWAPPING to +6 heavy broad axe.
 29215 | D:14     | 29215 ||| SWAPPING to +9 broad axe "Kosum" {antimagic,
                  | rC+}.
 29216 | D:14     | 29216 ||| SWAPPING to +6 heavy broad axe.
 29217 | D:14     | 29217 ||| SWAPPING to +9 broad axe "Kosum" {antimagic,
                  | rC+}.
 29218 | D:14     | 29218 ||| SWAPPING to +6 heavy broad axe.
 29219 | D:14     | 29219 ||| SWAPPING to +9 broad axe "Kosum" {antimagic,
                  | rC+}.
 29220 | D:14     | 29220 ||| SWAPPING to +6 heavy broad axe.
 29221 | D:14     | 29221 ||| SWAPPING to +9 broad axe "Kosum" {antimagic,
                  | rC+}.
 29222 | D:14     | 29222 ||| SWAPPING to +6 heavy broad axe.
 29223 | D:14     | 29223 ||| SWAPPING to +9 broad axe "Kosum" {antimagic,
                  | rC+}.
 29224 | D:14     | 29224 ||| SWAPPING to +6 heavy broad axe.
 29225 | D:14     | 29225 ||| SWAPPING to +9 broad axe "Kosum" {antimagic,
                  | rC+}.
 29226 | D:14     | 29226 ||| SWAPPING to +6 heavy broad axe.
 29227 | D:14     | 29227 ||| SWAPPING to +9 broad axe "Kosum" {antimagic,
                  | rC+}.
 29228 | D:14     | 29228 ||| SWAPPING to +6 heavy broad axe.
 29229 | D:14     | 29229 ||| SWAPPING to +9 broad axe "Kosum" {antimagic,
                  | rC+}.
 29230 | D:14     | 29230 ||| SWAPPING to +6 heavy broad axe.
 29231 | D:14     | 29231 ||| SWAPPING to +9 broad axe "Kosum" {antimagic,
                  | rC+}.
 29232 | D:14     | 29232 ||| SWAPPING to +6 heavy broad axe.
 29233 | D:14     | 29233 ||| SWAPPING to +9 broad axe "Kosum" {antimagic,
                  | rC+}.
 29234 | D:14     | 29234 ||| SWAPPING to +6 heavy broad axe.
 29235 | D:14     | 29235 ||| SWAPPING to +9 broad axe "Kosum" {antimagic,
                  | rC+}.
 29236 | D:14     | 29236 ||| SWAPPING to +6 heavy broad axe.
 29237 | D:14     | 29237 ||| SWAPPING to +9 broad axe "Kosum" {antimagic,
                  | rC+}.
 29238 | D:14     | 29238 ||| SWAPPING to +6 heavy broad axe.
 29239 | D:14     | 29239 ||| SWAPPING to +9 broad axe "Kosum" {antimagic,
                  | rC+}.
 29240 | D:14     | 29240 ||| SWAPPING to +6 heavy broad axe.
 29241 | D:14     | 29241 ||| SWAPPING to +9 broad axe "Kosum" {antimagic,
                  | rC+}.
 29242 | D:14     | 29242 ||| SWAPPING to +6 heavy broad axe.
 29243 | D:14     | 29243 ||| SWAPPING to +9 broad axe "Kosum" {antimagic,
                  | rC+}.
 29244 | D:14     | 29244 ||| SWAPPING to +6 heavy broad axe.
 29245 | D:14     | 29245 ||| SWAPPING to +9 broad axe "Kosum" {antimagic,
                  | rC+}.
 29246 | D:14     | 29246 ||| SWAPPING to +6 heavy broad axe.
 29247 | D:14     | 29247 ||| SWAPPING to +9 broad axe "Kosum" {antimagic,
                  | rC+}.
 29248 | D:14     | 29248 ||| SWAPPING to +6 heavy broad axe.
 29249 | D:14     | 29249 ||| SWAPPING to +9 broad axe "Kosum" {antimagic,
                  | rC+}.
 29250 | D:14     | 29250 ||| SWAPPING to +6 heavy broad axe.
 29251 | D:14     | 29251 ||| SWAPPING to +9 broad axe "Kosum" {antimagic,
                  | rC+}.
 29252 | D:14     | 29252 ||| SWAPPING to +6 heavy broad axe.
 29253 | D:14     | 29253 ||| SWAPPING to +9 broad axe "Kosum" {antimagic,
                  | rC+}.
 29254 | D:14     | 29254 ||| SWAPPING to +6 heavy broad axe.
 29255 | D:14     | 29255 ||| SWAPPING to +9 broad axe "Kosum" {antimagic,
                  | rC+}.
 29256 | D:14     | 29256 ||| SWAPPING to +6 heavy broad axe.
 29257 | D:14     | 29257 ||| SWAPPING to +9 broad axe "Kosum" {antimagic,
                  | rC+}.
 29258 | D:14     | 29258 ||| SWAPPING to +6 heavy broad axe.
 29259 | D:14     | 29259 ||| SWAPPING to +9 broad axe "Kosum" {antimagic,
                  | rC+}.
 29260 | D:14     | 29260 ||| SWAPPING to +6 heavy broad axe.
 29261 | D:14     | 29261 ||| SWAPPING to +9 broad axe "Kosum" {antimagic,
                  | rC+}.
 29262 | D:14     | 29262 ||| SWAPPING to +6 heavy broad axe.
 29263 | D:14     | 29263 ||| SWAPPING to +9 broad axe "Kosum" {antimagic,
                  | rC+}.
 29264 | D:14     | 29264 ||| SWAPPING to +6 heavy broad axe.
 29265 | D:14     | 29265 ||| SWAPPING to +9 broad axe "Kosum" {antimagic,
                  | rC+}.
 29266 | D:14     | 29266 ||| SWAPPING to +6 heavy broad axe.
 29267 | D:14     | 29267 ||| SWAPPING to +9 broad axe "Kosum" {antimagic,
                  | rC+}.
 29268 | D:14     | 29268 ||| SWAPPING to +6 heavy broad axe.
 29269 | D:14     | 29269 ||| SWAPPING to +9 broad axe "Kosum" {antimagic,
                  | rC+}.
 29270 | D:14     | 29270 ||| SWAPPING to +6 heavy broad axe.
 29271 | D:14     | 29271 ||| SWAPPING to +9 broad axe "Kosum" {antimagic,
                  | rC+}.
 29272 | D:14     | 29272 ||| SWAPPING to +6 heavy broad axe.
 29273 | D:14     | 29273 ||| SWAPPING to +9 broad axe "Kosum" {antimagic,
                  | rC+}.
 29274 | D:14     | 29274 ||| SWAPPING to +6 heavy broad axe.
 29275 | D:14     | 29275 ||| SWAPPING to +9 broad axe "Kosum" {antimagic,
                  | rC+}.
 29276 | D:14     | 29276 ||| SWAPPING to +6 heavy broad axe.
 29277 | D:14     | 29277 ||| SWAPPING to +9 broad axe "Kosum" {antimagic,
                  | rC+}.
 29278 | D:14     | 29278 ||| SWAPPING to +6 heavy broad axe.
 29279 | D:14     | 29279 ||| SWAPPING to +9 broad axe "Kosum" {antimagic,
                  | rC+}.
 29280 | D:14     | 29280 ||| SWAPPING to +6 heavy broad axe.
 29281 | D:14     | 29281 ||| SWAPPING to +9 broad axe "Kosum" {antimagic,
                  | rC+}.
 29282 | D:14     | 29282 ||| SWAPPING to +6 heavy broad axe.
 29283 | D:14     | 29283 ||| SWAPPING to +9 broad axe "Kosum" {antimagic,
                  | rC+}.
 29284 | D:14     | 29284 ||| SWAPPING to +6 heavy broad axe.
 29285 | D:14     | 29285 ||| SWAPPING to +9 broad axe "Kosum" {antimagic,
                  | rC+}.
 29286 | D:14     | 29286 ||| SWAPPING to +6 heavy broad axe.
 29287 | D:14     | 29287 ||| SWAPPING to +9 broad axe "Kosum" {antimagic,
                  | rC+}.
 29288 | D:14     | 29288 ||| SWAPPING to +6 heavy broad axe.
 29289 | D:14     | 29289 ||| SWAPPING to +9 broad axe "Kosum" {antimagic,
                  | rC+}.
 29290 | D:14     | 29290 ||| SWAPPING to +6 heavy broad axe.
 29291 | D:14     | 29291 ||| SWAPPING to +9 broad axe "Kosum" {antimagic,
                  | rC+}.
 29292 | D:14     | 29292 ||| SWAPPING to +6 heavy broad axe.
 29293 | D:14     | 29293 ||| SWAPPING to +9 broad axe "Kosum" {antimagic,
                  | rC+}.
 29294 | D:14     | 29294 ||| SWAPPING to +6 heavy broad axe.
 29295 | D:14     | 29295 ||| SWAPPING to +9 broad axe "Kosum" {antimagic,
                  | rC+}.
 29296 | D:14     | 29296 ||| SWAPPING to +6 heavy broad axe.
 29297 | D:14     | 29297 ||| SWAPPING to +9 broad axe "Kosum" {antimagic,
                  | rC+}.
 29298 | D:14     | 29298 ||| SWAPPING to +6 heavy broad axe.
 29299 | D:14     | 29299 ||| SWAPPING to +9 broad axe "Kosum" {antimagic,
                  | rC+}.
 29300 | D:14     | 29300 ||| SWAPPING to +6 heavy broad axe.
 29301 | D:14     | 29301 ||| SWAPPING to +9 broad axe "Kosum" {antimagic,
                  | rC+}.
 29302 | D:14     | 29302 ||| SWAPPING to +6 heavy broad axe.
 29303 | D:14     | 29303 ||| SWAPPING to +9 broad axe "Kosum" {antimagic,
                  | rC+}.
 29304 | D:14     | 29304 ||| SWAPPING to +6 heavy broad axe.
 29305 | D:14     | 29305 ||| SWAPPING to +9 broad axe "Kosum" {antimagic,
                  | rC+}.
 29306 | D:14     | 29306 ||| SWAPPING to +6 heavy broad axe.
 29307 | D:14     | 29307 ||| SWAPPING to +9 broad axe "Kosum" {antimagic,
                  | rC+}.
 29308 | D:14     | 29308 ||| SWAPPING to +6 heavy broad axe.
 29309 | D:14     | 29309 ||| SWAPPING to +9 broad axe "Kosum" {antimagic,
                  | rC+}.
 29310 | D:14     | 29310 ||| SWAPPING to +6 heavy broad axe.
 29311 | D:14     | 29311 ||| SWAPPING to +9 broad axe "Kosum" {antimagic,
                  | rC+}.
 29312 | D:14     | 29312 ||| SWAPPING to +6 heavy broad axe.
 29313 | D:14     | 29313 ||| SWAPPING to +9 broad axe "Kosum" {antimagic,
                  | rC+}.
 29314 | D:14     | 29314 ||| SWAPPING to +6 heavy broad axe.
 29315 | D:14     | 29315 ||| SWAPPING to +9 broad axe "Kosum" {antimagic,
                  | rC+}.
 29316 | D:14     | 29316 ||| SWAPPING to +6 heavy broad axe.
 29317 | D:14     | 29317 ||| SWAPPING to +9 broad axe "Kosum" {antimagic,
                  | rC+}.
 29318 | D:14     | 29318 ||| SWAPPING to +6 heavy broad axe.
 29319 | D:14     | 29319 ||| SWAPPING to +9 broad axe "Kosum" {antimagic,
                  | rC+}.
 29320 | D:14     | 29320 ||| SWAPPING to +6 heavy broad axe.
 29321 | D:14     | 29321 ||| SWAPPING to +9 broad axe "Kosum" {antimagic,
                  | rC+}.
 29322 | D:14     | 29322 ||| SWAPPING to +6 heavy broad axe.
 29323 | D:14     | 29323 ||| SWAPPING to +9 broad axe "Kosum" {antimagic,
                  | rC+}.
 29324 | D:14     | 29324 ||| SWAPPING to +6 heavy broad axe.
 29325 | D:14     | 29325 ||| SWAPPING to +9 broad axe "Kosum" {antimagic,
                  | rC+}.
 29326 | D:14     | 29326 ||| SWAPPING to +6 heavy broad axe.
 29327 | D:14     | 29327 ||| SWAPPING to +9 broad axe "Kosum" {antimagic,
                  | rC+}.
 29328 | D:14     | 29328 ||| SWAPPING to +6 heavy broad axe.
 29329 | D:14     | 29329 ||| SWAPPING to +9 broad axe "Kosum" {antimagic,
                  | rC+}.
 29330 | D:14     | 29330 ||| SWAPPING to +6 heavy broad axe.
 29331 | D:14     | 29331 ||| SWAPPING to +9 broad axe "Kosum" {antimagic,
                  | rC+}.
 29332 | D:14     | 29332 ||| SWAPPING to +6 heavy broad axe.
 29333 | D:14     | 29333 ||| SWAPPING to +9 broad axe "Kosum" {antimagic,
                  | rC+}.
 29334 | D:14     | 29334 ||| SWAPPING to +6 heavy broad axe.
 29335 | D:14     | 29335 ||| SWAPPING to +9 broad axe "Kosum" {antimagic,
                  | rC+}.
 29336 | D:14     | 29336 ||| SWAPPING to +6 heavy broad axe.
 29337 | D:14     | 29337 ||| SWAPPING to +9 broad axe "Kosum" {antimagic,
                  | rC+}.
 29338 | D:14     | 29338 ||| SWAPPING to +6 heavy broad axe.
 29339 | D:14     | 29339 ||| SWAPPING to +9 broad axe "Kosum" {antimagic,
                  | rC+}.
 29340 | D:14     | 29340 ||| SWAPPING to +6 heavy broad axe.
 29341 | D:14     | 29341 ||| SWAPPING to +9 broad axe "Kosum" {antimagic,
                  | rC+}.
 29342 | D:14     | 29342 ||| SWAPPING to +6 heavy broad axe.
 29343 | D:14     | 29343 ||| SWAPPING to +9 broad axe "Kosum" {antimagic,
                  | rC+}.
 29344 | D:14     | 29344 ||| SWAPPING to +6 heavy broad axe.
 29345 | D:14     | 29345 ||| SWAPPING to +9 broad axe "Kosum" {antimagic,
                  | rC+}.
 29346 | D:14     | 29346 ||| SWAPPING to +6 heavy broad axe.
 29347 | D:14     | 29347 ||| SWAPPING to +9 broad axe "Kosum" {antimagic,
                  | rC+}.
 29348 | D:14     | 29348 ||| SWAPPING to +6 heavy broad axe.
 29349 | D:14     | 29349 ||| SWAPPING to +9 broad axe "Kosum" {antimagic,
                  | rC+}.
 29350 | D:14     | 29350 ||| SWAPPING to +6 heavy broad axe.
 29351 | D:14     | 29351 ||| SWAPPING to +9 broad axe "Kosum" {antimagic,
                  | rC+}.
 29352 | D:14     | 29352 ||| SWAPPING to +6 heavy broad axe.
 29353 | D:14     | 29353 ||| SWAPPING to +9 broad axe "Kosum" {antimagic,
                  | rC+}.
 29354 | D:14     | 29354 ||| SWAPPING to +6 heavy broad axe.
 29355 | D:14     | 29355 ||| SWAPPING to +9 broad axe "Kosum" {antimagic,
                  | rC+}.
 29356 | D:14     | 29356 ||| SWAPPING to +6 heavy broad axe.
 29357 | D:14     | 29357 ||| SWAPPING to +9 broad axe "Kosum" {antimagic,
                  | rC+}.
 29358 | D:14     | 29358 ||| SWAPPING to +6 heavy broad axe.
 29359 | D:14     | 29359 ||| SWAPPING to +9 broad axe "Kosum" {antimagic,
                  | rC+}.
 29360 | D:14     | 29360 ||| SWAPPING to +6 heavy broad axe.
 29361 | D:14     | 29361 ||| SWAPPING to +9 broad axe "Kosum" {antimagic,
                  | rC+}.
 29362 | D:14     | 29362 ||| SWAPPING to +6 heavy broad axe.
 29363 | D:14     | 29363 ||| SWAPPING to +9 broad axe "Kosum" {antimagic,
                  | rC+}.
 29364 | D:14     | 29364 ||| SWAPPING to +6 heavy broad axe.
 29365 | D:14     | 29365 ||| SWAPPING to +9 broad axe "Kosum" {antimagic,
                  | rC+}.
 29366 | D:14     | 29366 ||| SWAPPING to +6 heavy broad axe.
 29367 | D:14     | 29367 ||| SWAPPING to +9 broad axe "Kosum" {antimagic,
                  | rC+}.
 29368 | D:14     | 29368 ||| SWAPPING to +6 heavy broad axe.
 29369 | D:14     | 29369 ||| SWAPPING to +9 broad axe "Kosum" {antimagic,
                  | rC+}.
 29370 | D:14     | 29370 ||| SWAPPING to +6 heavy broad axe.
 29371 | D:14     | 29371 ||| SWAPPING to +9 broad axe "Kosum" {antimagic,
                  | rC+}.
 29372 | D:14     | 29372 ||| SWAPPING to +6 heavy broad axe.
 29373 | D:14     | 29373 ||| SWAPPING to +9 broad axe "Kosum" {antimagic,
                  | rC+}.
 29374 | D:14     | 29374 ||| SWAPPING to +6 heavy broad axe.
 29375 | D:14     | 29375 ||| SWAPPING to +9 broad axe "Kosum" {antimagic,
                  | rC+}.
 29376 | D:14     | 29376 ||| SWAPPING to +6 heavy broad axe.
 29377 | D:14     | 29377 ||| SWAPPING to +9 broad axe "Kosum" {antimagic,
                  | rC+}.
 29378 | D:14     | 29378 ||| SWAPPING to +6 heavy broad axe.
 29379 | D:14     | 29379 ||| SWAPPING to +9 broad axe "Kosum" {antimagic,
                  | rC+}.
 29380 | D:14     | 29380 ||| SWAPPING to +6 heavy broad axe.
 29381 | D:14     | 29381 ||| SWAPPING to +9 broad axe "Kosum" {antimagic,
                  | rC+}.
 29382 | D:14     | 29382 ||| SWAPPING to +6 heavy broad axe.
 29383 | D:14     | 29383 ||| SWAPPING to +9 broad axe "Kosum" {antimagic,
                  | rC+}.
 29384 | D:14     | 29384 ||| SWAPPING to +6 heavy broad axe.
 29385 | D:14     | 29385 ||| SWAPPING to +9 broad axe "Kosum" {antimagic,
                  | rC+}.
 29386 | D:14     | 29386 ||| SWAPPING to +6 heavy broad axe.
 29387 | D:14     | 29387 ||| SWAPPING to +9 broad axe "Kosum" {antimagic,
                  | rC+}.
 29388 | D:14     | 29388 ||| SWAPPING to +6 heavy broad axe.
 29389 | D:14     | 29389 ||| SWAPPING to +9 broad axe "Kosum" {antimagic,
                  | rC+}.
 29390 | D:14     | 29390 ||| SWAPPING to +6 heavy broad axe.
 29391 | D:14     | 29391 ||| SWAPPING to +9 broad axe "Kosum" {antimagic,
                  | rC+}.
 29392 | D:14     | 29392 ||| SWAPPING to +6 heavy broad axe.
 29393 | D:14     | 29393 ||| SWAPPING to +9 broad axe "Kosum" {antimagic,
                  | rC+}.
 29394 | D:14     | 29394 ||| SWAPPING to +6 heavy broad axe.
 29395 | D:14     | 29395 ||| SWAPPING to +9 broad axe "Kosum" {antimagic,
                  | rC+}.
 29396 | D:14     | 29396 ||| SWAPPING to +6 heavy broad axe.
 29397 | D:14     | 29397 ||| SWAPPING to +9 broad axe "Kosum" {antimagic,
                  | rC+}.
 29398 | D:14     | 29398 ||| SWAPPING to +6 heavy broad axe.
 29399 | D:14     | 29399 ||| SWAPPING to +9 broad axe "Kosum" {antimagic,
                  | rC+}.
 29400 | D:14     | 29400 ||| SWAPPING to +6 heavy broad axe.
 29401 | D:14     | 29401 ||| SWAPPING to +9 broad axe "Kosum" {antimagic,
                  | rC+}.
 29402 | D:14     | 29402 ||| SWAPPING to +6 heavy broad axe.
 29403 | D:14     | 29403 ||| SWAPPING to +9 broad axe "Kosum" {antimagic,
                  | rC+}.
 29404 | D:14     | 29404 ||| SWAPPING to +6 heavy broad axe.
 29405 | D:14     | 29405 ||| SWAPPING to +9 broad axe "Kosum" {antimagic,
                  | rC+}.
 29406 | D:14     | 29406 ||| SWAPPING to +6 heavy broad axe.
 29407 | D:14     | 29407 ||| SWAPPING to +9 broad axe "Kosum" {antimagic,
                  | rC+}.
 29408 | D:14     | 29408 ||| SWAPPING to +6 heavy broad axe.
 29409 | D:14     | 29409 ||| SWAPPING to +9 broad axe "Kosum" {antimagic,
                  | rC+}.
 29410 | D:14     | 29410 ||| SWAPPING to +6 heavy broad axe.
 29411 | D:14     | 29411 ||| SWAPPING to +9 broad axe "Kosum" {antimagic,
                  | rC+}.
 29412 | D:14     | 29412 ||| SWAPPING to +6 heavy broad axe.
 29413 | D:14     | 29413 ||| SWAPPING to +9 broad axe "Kosum" {antimagic,
                  | rC+}.
 29414 | D:14     | 29414 ||| SWAPPING to +6 heavy broad axe.
 29415 | D:14     | 29415 ||| SWAPPING to +9 broad axe "Kosum" {antimagic,
                  | rC+}.
 29416 | D:14     | 29416 ||| SWAPPING to +6 heavy broad axe.
 29417 | D:14     | 29417 ||| SWAPPING to +9 broad axe "Kosum" {antimagic,
                  | rC+}.
 29418 | D:14     | 29418 ||| SWAPPING to +6 heavy broad axe.
 29419 | D:14     | 29419 ||| SWAPPING to +9 broad axe "Kosum" {antimagic,
                  | rC+}.
 29420 | D:14     | 29420 ||| SWAPPING to +6 heavy broad axe.
 29421 | D:14     | 29421 ||| SWAPPING to +9 broad axe "Kosum" {antimagic,
                  | rC+}.
 29422 | D:14     | 29422 ||| SWAPPING to +6 heavy broad axe.
 29423 | D:14     | 29423 ||| SWAPPING to +9 broad axe "Kosum" {antimagic,
                  | rC+}.
 29424 | D:14     | 29424 ||| SWAPPING to +6 heavy broad axe.
 29425 | D:14     | 29425 ||| SWAPPING to +9 broad axe "Kosum" {antimagic,
                  | rC+}.
 29426 | D:14     | 29426 ||| SWAPPING to +6 heavy broad axe.
 29427 | D:14     | 29427 ||| SWAPPING to +9 broad axe "Kosum" {antimagic,
                  | rC+}.
 29428 | D:14     | 29428 ||| SWAPPING to +6 heavy broad axe.
 29429 | D:14     | 29429 ||| SWAPPING to +9 broad axe "Kosum" {antimagic,
                  | rC+}.
 29430 | D:14     | 29430 ||| SWAPPING to +6 heavy broad axe.
 29431 | D:14     | 29431 ||| SWAPPING to +9 broad axe "Kosum" {antimagic,
                  | rC+}.
 29432 | D:14     | 29432 ||| SWAPPING to +6 heavy broad axe.
 29433 | D:14     | 29433 ||| SWAPPING to +9 broad axe "Kosum" {antimagic,
                  | rC+}.
 29434 | D:14     | 29434 ||| SWAPPING to +6 heavy broad axe.
 29435 | D:14     | 29435 ||| SWAPPING to +9 broad axe "Kosum" {antimagic,
                  | rC+}.
 29436 | D:14     | 29436 ||| SWAPPING to +6 heavy broad axe.
 29437 | D:14     | 29437 ||| SWAPPING to +9 broad axe "Kosum" {antimagic,
                  | rC+}.
 29438 | D:14     | 29438 ||| SWAPPING to +6 heavy broad axe.
 29439 | D:14     | 29439 ||| SWAPPING to +9 broad axe "Kosum" {antimagic,
                  | rC+}.
 29440 | D:14     | 29440 ||| SWAPPING to +6 heavy broad axe.
 29441 | D:14     | 29441 ||| SWAPPING to +9 broad axe "Kosum" {antimagic,
                  | rC+}.
 29442 | D:14     | 29442 ||| SWAPPING to +6 heavy broad axe.
 29443 | D:14     | 29443 ||| SWAPPING to +9 broad axe "Kosum" {antimagic,
                  | rC+}.
 29444 | D:14     | 29444 ||| SWAPPING to +6 heavy broad axe.
 29445 | D:14     | 29445 ||| SWAPPING to +9 broad axe "Kosum" {antimagic,
                  | rC+}.
 29446 | D:14     | 29446 ||| SWAPPING to +6 heavy broad axe.
 29447 | D:14     | 29447 ||| SWAPPING to +9 broad axe "Kosum" {antimagic,
                  | rC+}.
 29448 | D:14     | 29448 ||| SWAPPING to +6 heavy broad axe.
 29449 | D:14     | 29449 ||| SWAPPING to +9 broad axe "Kosum" {antimagic,
                  | rC+}.
 29450 | D:14     | 29450 ||| SWAPPING to +6 heavy broad axe.
 29451 | D:14     | 29451 ||| SWAPPING to +9 broad axe "Kosum" {antimagic,
                  | rC+}.
 29452 | D:14     | 29452 ||| SWAPPING to +6 heavy broad axe.
 29453 | D:14     | 29453 ||| SWAPPING to +9 broad axe "Kosum" {antimagic,
                  | rC+}.
 29454 | D:14     | 29454 ||| SWAPPING to +6 heavy broad axe.
 29455 | D:14     | 29455 ||| SWAPPING to +9 broad axe "Kosum" {antimagic,
                  | rC+}.
 29456 | D:14     | 29456 ||| SWAPPING to +6 heavy broad axe.
 29457 | D:14     | 29457 ||| SWAPPING to +9 broad axe "Kosum" {antimagic,
                  | rC+}.
 29458 | D:14     | 29458 ||| SWAPPING to +6 heavy broad axe.
 29459 | D:14     | 29459 ||| SWAPPING to +9 broad axe "Kosum" {antimagic,
                  | rC+}.
 29460 | D:14     | 29460 ||| SWAPPING to +6 heavy broad axe.
 29461 | D:14     | 29461 ||| SWAPPING to +9 broad axe "Kosum" {antimagic,
                  | rC+}.
 29462 | D:14     | 29462 ||| SWAPPING to +6 heavy broad axe.
 29463 | D:14     | 29463 ||| SWAPPING to +9 broad axe "Kosum" {antimagic,
                  | rC+}.
 29464 | D:14     | 29464 ||| SWAPPING to +6 heavy broad axe.
 29465 | D:14     | 29465 ||| SWAPPING to +9 broad axe "Kosum" {antimagic,
                  | rC+}.
 29466 | D:14     | 29466 ||| SWAPPING to +6 heavy broad axe.
 29467 | D:14     | 29467 ||| SWAPPING to +9 broad axe "Kosum" {antimagic,
                  | rC+}.
 29468 | D:14     | 29468 ||| SWAPPING to +6 heavy broad axe.
 29469 | D:14     | 29469 ||| SWAPPING to +9 broad axe "Kosum" {antimagic,
                  | rC+}.
 29470 | D:14     | 29470 ||| SWAPPING to +6 heavy broad axe.
 29471 | D:14     | 29471 ||| SWAPPING to +9 broad axe "Kosum" {antimagic,
                  | rC+}.
 29472 | D:14     | 29472 ||| SWAPPING to +6 heavy broad axe.
 29473 | D:14     | 29473 ||| SWAPPING to +9 broad axe "Kosum" {antimagic,
                  | rC+}.
 29474 | D:14     | 29474 ||| SWAPPING to +6 heavy broad axe.
 29475 | D:14     | 29475 ||| SWAPPING to +9 broad axe "Kosum" {antimagic,
                  | rC+}.
 29476 | D:14     | 29476 ||| SWAPPING to +6 heavy broad axe.
 29477 | D:14     | 29477 ||| SWAPPING to +9 broad axe "Kosum" {antimagic,
                  | rC+}.
 29478 | D:14     | 29478 ||| SWAPPING to +6 heavy broad axe.
 29479 | D:14     | 29479 ||| SWAPPING to +9 broad axe "Kosum" {antimagic,
                  | rC+}.
 29480 | D:14     | 29480 ||| SWAPPING to +6 heavy broad axe.
 29481 | D:14     | 29481 ||| SWAPPING to +9 broad axe "Kosum" {antimagic,
                  | rC+}.
 29482 | D:14     | 29482 ||| SWAPPING to +6 heavy broad axe.
 29483 | D:14     | 29483 ||| SWAPPING to +9 broad axe "Kosum" {antimagic,
                  | rC+}.
 29484 | D:14     | 29484 ||| SWAPPING to +6 heavy broad axe.
 29485 | D:14     | 29485 ||| SWAPPING to +9 broad axe "Kosum" {antimagic,
                  | rC+}.
 29486 | D:14     | 29486 ||| SWAPPING to +6 heavy broad axe.
 29487 | D:14     | 29487 ||| SWAPPING to +9 broad axe "Kosum" {antimagic,
                  | rC+}.
 29488 | D:14     | 29488 ||| SWAPPING to +6 heavy broad axe.
 29489 | D:14     | 29489 ||| SWAPPING to +9 broad axe "Kosum" {antimagic,
                  | rC+}.
 29490 | D:14     | 29490 ||| SWAPPING to +6 heavy broad axe.
 29491 | D:14     | 29491 ||| SWAPPING to +9 broad axe "Kosum" {antimagic,
                  | rC+}.
 29492 | D:14     | 29492 ||| SWAPPING to +6 heavy broad axe.
 29493 | D:14     | 29493 ||| SWAPPING to +9 broad axe "Kosum" {antimagic,
                  | rC+}.
 29494 | D:14     | 29494 ||| SWAPPING to +6 heavy broad axe.
 29495 | D:14     | 29495 ||| SWAPPING to +9 broad axe "Kosum" {antimagic,
                  | rC+}.
 29496 | D:14     | 29496 ||| SWAPPING to +6 heavy broad axe.
 29497 | D:14     | 29497 ||| SWAPPING to +9 broad axe "Kosum" {antimagic,
                  | rC+}.
 29498 | D:14     | 29498 ||| SWAPPING to +6 heavy broad axe.
 29499 | D:14     | 29499 ||| SWAPPING to +9 broad axe "Kosum" {antimagic,
                  | rC+}.
 29500 | D:14     | 29500 ||| SWAPPING to +6 heavy broad axe.
 29501 | D:14     | 29501 ||| SWAPPING to +9 broad axe "Kosum" {antimagic,
                  | rC+}.
 29502 | D:14     | 29502 ||| SWAPPING to +6 heavy broad axe.
 29503 | D:14     | 29503 ||| SWAPPING to +9 broad axe "Kosum" {antimagic,
                  | rC+}.
 29504 | D:14     | 29504 ||| SWAPPING to +6 heavy broad axe.
 29505 | D:14     | 29505 ||| SWAPPING to +9 broad axe "Kosum" {antimagic,
                  | rC+}.
 29506 | D:14     | 29506 ||| SWAPPING to +6 heavy broad axe.
 29507 | D:14     | 29507 ||| SWAPPING to +9 broad axe "Kosum" {antimagic,
                  | rC+}.
 29508 | D:14     | 29508 ||| SWAPPING to +6 heavy broad axe.
 29509 | D:14     | 29509 ||| SWAPPING to +9 broad axe "Kosum" {antimagic,
                  | rC+}.
 29510 | D:14     | 29510 ||| SWAPPING to +6 heavy broad axe.
 29511 | D:14     | 29511 ||| SWAPPING to +9 broad axe "Kosum" {antimagic,
                  | rC+}.
 29512 | D:14     | 29512 ||| SWAPPING to +6 heavy broad axe.
 29513 | D:14     | 29513 ||| SWAPPING to +9 broad axe "Kosum" {antimagic,
                  | rC+}.
 29514 | D:14     | 29514 ||| SWAPPING to +6 heavy broad axe.
 29515 | D:14     | 29515 ||| SWAPPING to +9 broad axe "Kosum" {antimagic,
                  | rC+}.
 29516 | D:14     | 29516 ||| SWAPPING to +6 heavy broad axe.
 29517 | D:14     | 29517 ||| SWAPPING to +9 broad axe "Kosum" {antimagic,
                  | rC+}.
 29518 | D:14     | 29518 ||| SWAPPING to +6 heavy broad axe.
 29519 | D:14     | 29519 ||| SWAPPING to +9 broad axe "Kosum" {antimagic,
                  | rC+}.
 29520 | D:14     | 29520 ||| SWAPPING to +6 heavy broad axe.
 29521 | D:14     | 29521 ||| SWAPPING to +9 broad axe "Kosum" {antimagic,
                  | rC+}.
 29522 | D:14     | 29522 ||| SWAPPING to +6 heavy broad axe.
 29523 | D:14     | 29523 ||| SWAPPING to +9 broad axe "Kosum" {antimagic,
                  | rC+}.
 29524 | D:14     | 29524 ||| SWAPPING to +6 heavy broad axe.
 29525 | D:14     | 29525 ||| SWAPPING to +9 broad axe "Kosum" {antimagic,
                  | rC+}.
 29526 | D:14     | 29526 ||| SWAPPING to +6 heavy broad axe.
 29527 | D:14     | 29527 ||| SWAPPING to +9 broad axe "Kosum" {antimagic,
                  | rC+}.
 29528 | D:14     | 29528 ||| SWAPPING to +6 heavy broad axe.
 29529 | D:14     | 29529 ||| SWAPPING to +9 broad axe "Kosum" {antimagic,
                  | rC+}.
 29530 | D:14     | 29530 ||| SWAPPING to +6 heavy broad axe.
 29531 | D:14     | 29531 ||| SWAPPING to +9 broad axe "Kosum" {antimagic,
                  | rC+}.
 29532 | D:14     | 29532 ||| SWAPPING to +6 heavy broad axe.
 29533 | D:14     | 29533 ||| SWAPPING to +9 broad axe "Kosum" {antimagic,
                  | rC+}.
 29534 | D:14     | 29534 ||| SWAPPING to +6 heavy broad axe.
 29535 | D:14     | 29535 ||| SWAPPING to +9 broad axe "Kosum" {antimagic,
                  | rC+}.
 29536 | D:14     | 29536 ||| SWAPPING to +6 heavy broad axe.
 29537 | D:14     | 29537 ||| SWAPPING to +9 broad axe "Kosum" {antimagic,
                  | rC+}.
 29538 | D:14     | 29538 ||| SWAPPING to +6 heavy broad axe.
 29539 | D:14     | 29539 ||| SWAPPING to +9 broad axe "Kosum" {antimagic,
                  | rC+}.
 29540 | D:14     | 29540 ||| SWAPPING to +6 heavy broad axe.
 29541 | D:14     | 29541 ||| SWAPPING to +9 broad axe "Kosum" {antimagic,
                  | rC+}.
 29542 | D:14     | 29542 ||| SWAPPING to +6 heavy broad axe.
 29543 | D:14     | 29543 ||| SWAPPING to +9 broad axe "Kosum" {antimagic,
                  | rC+}.
 29544 | D:14     | 29544 ||| SWAPPING to +6 heavy broad axe.
 29545 | D:14     | 29545 ||| SWAPPING to +9 broad axe "Kosum" {antimagic,
                  | rC+}.
 29546 | D:14     | 29546 ||| SWAPPING to +6 heavy broad axe.
 29547 | D:14     | 29547 ||| SWAPPING to +9 broad axe "Kosum" {antimagic,
                  | rC+}.
 29548 | D:14     | 29548 ||| SWAPPING to +6 heavy broad axe.
 29549 | D:14     | 29549 ||| SWAPPING to +9 broad axe "Kosum" {antimagic,
                  | rC+}.
 29550 | D:14     | 29550 ||| SWAPPING to +6 heavy broad axe.
 29551 | D:14     | 29551 ||| SWAPPING to +9 broad axe "Kosum" {antimagic,
                  | rC+}.
 29552 | D:14     | 29552 ||| SWAPPING to +6 heavy broad axe.
 29553 | D:14     | 29553 ||| SWAPPING to +9 broad axe "Kosum" {antimagic,
                  | rC+}.
 29554 | D:14     | 29554 ||| SWAPPING to +6 heavy broad axe.
 29555 | D:14     | 29555 ||| SWAPPING to +9 broad axe "Kosum" {antimagic,
                  | rC+}.
 29556 | D:14     | 29556 ||| SWAPPING to +6 heavy broad axe.
 29557 | D:14     | 29557 ||| SWAPPING to +9 broad axe "Kosum" {antimagic,
                  | rC+}.
 29558 | D:14     | 29558 ||| SWAPPING to +6 heavy broad axe.
 29559 | D:14     | 29559 ||| SWAPPING to +9 broad axe "Kosum" {antimagic,
                  | rC+}.
 29560 | D:14     | 29560 ||| SWAPPING to +6 heavy broad axe.
 29561 | D:14     | 29561 ||| SWAPPING to +9 broad axe "Kosum" {antimagic,
                  | rC+}.
 29562 | D:14     | 29562 ||| SWAPPING to +6 heavy broad axe.
 29563 | D:14     | 29563 ||| SWAPPING to +9 broad axe "Kosum" {antimagic,
                  | rC+}.
 29564 | D:14     | 29564 ||| SWAPPING to +6 heavy broad axe.
 29565 | D:14     | 29565 ||| SWAPPING to +9 broad axe "Kosum" {antimagic,
                  | rC+}.
 29566 | D:14     | 29566 ||| SWAPPING to +6 heavy broad axe.
 29567 | D:14     | 29567 ||| SWAPPING to +9 broad axe "Kosum" {antimagic,
                  | rC+}.
 29568 | D:14     | 29568 ||| SWAPPING to +6 heavy broad axe.
 29569 | D:14     | 29569 ||| SWAPPING to +9 broad axe "Kosum" {antimagic,
                  | rC+}.
 29570 | D:14     | 29570 ||| SWAPPING to +6 heavy broad axe.
 29571 | D:14     | 29571 ||| SWAPPING to +9 broad axe "Kosum" {antimagic,
                  | rC+}.
 29572 | D:14     | 29572 ||| SWAPPING to +6 heavy broad axe.
 29573 | D:14     | 29573 ||| SWAPPING to +9 broad axe "Kosum" {antimagic,
                  | rC+}.
 29574 | D:14     | 29574 ||| SWAPPING to +6 heavy broad axe.
 29575 | D:14     | 29575 ||| SWAPPING to +9 broad axe "Kosum" {antimagic,
                  | rC+}.
 29576 | D:14     | 29576 ||| SWAPPING to +6 heavy broad axe.
 29577 | D:14     | 29577 ||| SWAPPING to +9 broad axe "Kosum" {antimagic,
                  | rC+}.
 29578 | D:14     | 29578 ||| SWAPPING to +6 heavy broad axe.
 29579 | D:14     | 29579 ||| SWAPPING to +9 broad axe "Kosum" {antimagic,
                  | rC+}.
 29580 | D:14     | 29580 ||| SWAPPING to +6 heavy broad axe.
 29581 | D:14     | 29581 ||| SWAPPING to +9 broad axe "Kosum" {antimagic,
                  | rC+}.
 29582 | D:14     | 29582 ||| SWAPPING to +6 heavy broad axe.
 29583 | D:14     | 29583 ||| SWAPPING to +9 broad axe "Kosum" {antimagic,
                  | rC+}.
 29584 | D:14     | 29584 ||| SWAPPING to +6 heavy broad axe.
 29585 | D:14     | 29585 ||| SWAPPING to +9 broad axe "Kosum" {antimagic,
                  | rC+}.
 29586 | D:14     | 29586 ||| SWAPPING to +6 heavy broad axe.
 29587 | D:14     | 29587 ||| SWAPPING to +9 broad axe "Kosum" {antimagic,
                  | rC+}.
 29588 | D:14     | 29588 ||| SWAPPING to +6 heavy broad axe.
 29589 | D:14     | 29589 ||| SWAPPING to +9 broad axe "Kosum" {antimagic,
                  | rC+}.
 29590 | D:14     | 29590 ||| SWAPPING to +6 heavy broad axe.
 29591 | D:14     | 29591 ||| SWAPPING to +9 broad axe "Kosum" {antimagic,
                  | rC+}.
 29592 | D:14     | 29592 ||| SWAPPING to +6 heavy broad axe.
 29593 | D:14     | 29593 ||| SWAPPING to +9 broad axe "Kosum" {antimagic,
                  | rC+}.
 29594 | D:14     | 29594 ||| SWAPPING to +6 heavy broad axe.
 29595 | D:14     | 29595 ||| SWAPPING to +9 broad axe "Kosum" {antimagic,
                  | rC+}.
 29596 | D:14     | 29596 ||| SWAPPING to +6 heavy broad axe.
 29597 | D:14     | 29597 ||| SWAPPING to +9 broad axe "Kosum" {antimagic,
                  | rC+}.
 29598 | D:14     | 29598 ||| SWAPPING to +6 heavy broad axe.
 29599 | D:14     | 29599 ||| SWAPPING to +9 broad axe "Kosum" {antimagic,
                  | rC+}.
 29600 | D:14     | 29600 ||| SWAPPING to +6 heavy broad axe.
 29601 | D:14     | 29601 ||| SWAPPING to +9 broad axe "Kosum" {antimagic,
                  | rC+}.
 29602 | D:14     | 29602 ||| SWAPPING to +6 heavy broad axe.
 29603 | D:14     | 29603 ||| SWAPPING to +9 broad axe "Kosum" {antimagic,
                  | rC+}.
 29604 | D:14     | 29604 ||| SWAPPING to +6 heavy broad axe.
 29605 | D:14     | 29605 ||| SWAPPING to +9 broad axe "Kosum" {antimagic,
                  | rC+}.
 29606 | D:14     | 29606 ||| SWAPPING to +6 heavy broad axe.
 29607 | D:14     | 29607 ||| SWAPPING to +9 broad axe "Kosum" {antimagic,
                  | rC+}.
 29608 | D:14     | 29608 ||| SWAPPING to +6 heavy broad axe.
 29609 | D:14     | 29609 ||| SWAPPING to +9 broad axe "Kosum" {antimagic,
                  | rC+}.
 29610 | D:14     | 29610 ||| SWAPPING to +6 heavy broad axe.
 29611 | D:14     | 29611 ||| SWAPPING to +9 broad axe "Kosum" {antimagic,
                  | rC+}.
 29612 | D:14     | 29612 ||| SWAPPING to +6 heavy broad axe.
 29613 | D:14     | 29613 ||| SWAPPING to +9 broad axe "Kosum" {antimagic,
                  | rC+}.
 29614 | D:14     | 29614 ||| SWAPPING to +6 heavy broad axe.
 29615 | D:14     | 29615 ||| SWAPPING to +9 broad axe "Kosum" {antimagic,
                  | rC+}.
 29616 | D:14     | 29616 ||| SWAPPING to +6 heavy broad axe.
 29617 | D:14     | 29617 ||| SWAPPING to +9 broad axe "Kosum" {antimagic,
                  | rC+}.
 29618 | D:14     | 29618 ||| SWAPPING to +6 heavy broad axe.
 29619 | D:14     | 29619 ||| SWAPPING to +9 broad axe "Kosum" {antimagic,
                  | rC+}.
 29620 | D:14     | 29620 ||| SWAPPING to +6 heavy broad axe.
 29621 | D:14     | 29621 ||| SWAPPING to +9 broad axe "Kosum" {antimagic,
                  | rC+}.
 29622 | D:14     | 29622 ||| SWAPPING to +6 heavy broad axe.
 29623 | D:14     | 29623 ||| SWAPPING to +9 broad axe "Kosum" {antimagic,
                  | rC+}.
 29624 | D:14     | 29624 ||| SWAPPING to +6 heavy broad axe.
 29625 | D:14     | 29625 ||| SWAPPING to +9 broad axe "Kosum" {antimagic,
                  | rC+}.
 29626 | D:14     | 29626 ||| SWAPPING to +6 heavy broad axe.
 29627 | D:14     | 29627 ||| SWAPPING to +9 broad axe "Kosum" {antimagic,
                  | rC+}.
 29628 | D:14     | 29628 ||| SWAPPING to +6 heavy broad axe.
 29629 | D:14     | 29629 ||| SWAPPING to +9 broad axe "Kosum" {antimagic,
                  | rC+}.
 29630 | D:14     | 29630 ||| SWAPPING to +6 heavy broad axe.
 29631 | D:14     | 29631 ||| SWAPPING to +9 broad axe "Kosum" {antimagic,
                  | rC+}.
 29632 | D:14     | 29632 ||| SWAPPING to +6 heavy broad axe.
 29633 | D:14     | 29633 ||| SWAPPING to +9 broad axe "Kosum" {antimagic,
                  | rC+}.
 29634 | D:14     | 29634 ||| SWAPPING to +6 heavy broad axe.
 29635 | D:14     | 29635 ||| SWAPPING to +9 broad axe "Kosum" {antimagic,
                  | rC+}.
 29636 | D:14     | 29636 ||| SWAPPING to +6 heavy broad axe.
 29637 | D:14     | 29637 ||| SWAPPING to +9 broad axe "Kosum" {antimagic,
                  | rC+}.
 29638 | D:14     | 29638 ||| SWAPPING to +6 heavy broad axe.
 29639 | D:14     | 29639 ||| SWAPPING to +9 broad axe "Kosum" {antimagic,
                  | rC+}.
 29640 | D:14     | 29640 ||| SWAPPING to +6 heavy broad axe.
 29641 | D:14     | 29641 ||| SWAPPING to +9 broad axe "Kosum" {antimagic,
                  | rC+}.
 29642 | D:14     | 29642 ||| SWAPPING to +6 heavy broad axe.
 29643 | D:14     | 29643 ||| SWAPPING to +9 broad axe "Kosum" {antimagic,
                  | rC+}.
 29644 | D:14     | 29644 ||| SWAPPING to +6 heavy broad axe.
 29645 | D:14     | 29645 ||| SWAPPING to +9 broad axe "Kosum" {antimagic,
                  | rC+}.
 29646 | D:14     | 29646 ||| SWAPPING to +6 heavy broad axe.
 29647 | D:14     | 29647 ||| SWAPPING to +9 broad axe "Kosum" {antimagic,
                  | rC+}.
 29648 | D:14     | 29648 ||| SWAPPING to +6 heavy broad axe.
 29649 | D:14     | 29649 ||| SWAPPING to +9 broad axe "Kosum" {antimagic,
                  | rC+}.
 29650 | D:14     | 29650 ||| SWAPPING to +6 heavy broad axe.
 29651 | D:14     | 29651 ||| SWAPPING to +9 broad axe "Kosum" {antimagic,
                  | rC+}.
 29652 | D:14     | 29652 ||| SWAPPING to +6 heavy broad axe.
 29653 | D:14     | 29653 ||| SWAPPING to +9 broad axe "Kosum" {antimagic,
                  | rC+}.
 29654 | D:14     | 29654 ||| SWAPPING to +6 heavy broad axe.
 29655 | D:14     | 29655 ||| SWAPPING to +9 broad axe "Kosum" {antimagic,
                  | rC+}.
 29656 | D:14     | 29656 ||| SWAPPING to +6 heavy broad axe.
 29657 | D:14     | 29657 ||| SWAPPING to +9 broad axe "Kosum" {antimagic,
                  | rC+}.
 29658 | D:14     | 29658 ||| SWAPPING to +6 heavy broad axe.
 29659 | D:14     | 29659 ||| SWAPPING to +9 broad axe "Kosum" {antimagic,
                  | rC+}.
 29660 | D:14     | 29660 ||| SWAPPING to +6 heavy broad axe.
 29661 | D:14     | 29661 ||| SWAPPING to +9 broad axe "Kosum" {antimagic,
                  | rC+}.
 29662 | D:14     | 29662 ||| SWAPPING to +6 heavy broad axe.
 29663 | D:14     | 29663 ||| SWAPPING to +9 broad axe "Kosum" {antimagic,
                  | rC+}.
 29664 | D:14     | 29664 ||| SWAPPING to +6 heavy broad axe.
 29665 | D:14     | 29665 ||| SWAPPING to +9 broad axe "Kosum" {antimagic,
                  | rC+}.
 29666 | D:14     | 29666 ||| SWAPPING to +6 heavy broad axe.
 29667 | D:14     | 29667 ||| SWAPPING to +9 broad axe "Kosum" {antimagic,
                  | rC+}.
 29668 | D:14     | 29668 ||| SWAPPING to +6 heavy broad axe.
 29669 | D:14     | 29669 ||| SWAPPING to +9 broad axe "Kosum" {antimagic,
                  | rC+}.
 29670 | D:14     | 29670 ||| SWAPPING to +6 heavy broad axe.
 29671 | D:14     | 29671 ||| SWAPPING to +9 broad axe "Kosum" {antimagic,
                  | rC+}.
 29672 | D:14     | 29672 ||| SWAPPING to +6 heavy broad axe.
 29673 | D:14     | 29673 ||| SWAPPING to +9 broad axe "Kosum" {antimagic,
                  | rC+}.
 29674 | D:14     | 29674 ||| SWAPPING to +6 heavy broad axe.
 29675 | D:14     | 29675 ||| SWAPPING to +9 broad axe "Kosum" {antimagic,
                  | rC+}.
 29676 | D:14     | 29676 ||| SWAPPING to +6 heavy broad axe.
 29677 | D:14     | 29677 ||| SWAPPING to +9 broad axe "Kosum" {antimagic,
                  | rC+}.
 29678 | D:14     | 29678 ||| SWAPPING to +6 heavy broad axe.
 29679 | D:14     | 29679 ||| SWAPPING to +9 broad axe "Kosum" {antimagic,
                  | rC+}.
 29680 | D:14     | 29680 ||| SWAPPING to +6 heavy broad axe.
 29681 | D:14     | 29681 ||| SWAPPING to +9 broad axe "Kosum" {antimagic,
                  | rC+}.
 29682 | D:14     | 29682 ||| SWAPPING to +6 heavy broad axe.
 29683 | D:14     | 29683 ||| SWAPPING to +9 broad axe "Kosum" {antimagic,
                  | rC+}.
 29684 | D:14     | 29684 ||| SWAPPING to +6 heavy broad axe.
 29685 | D:14     | 29685 ||| SWAPPING to +9 broad axe "Kosum" {antimagic,
                  | rC+}.
 29686 | D:14     | 29686 ||| SWAPPING to +6 heavy broad axe.
 29687 | D:14     | 29687 ||| SWAPPING to +9 broad axe "Kosum" {antimagic,
                  | rC+}.
 29688 | D:14     | 29688 ||| SWAPPING to +6 heavy broad axe.
 29689 | D:14     | 29689 ||| SWAPPING to +9 broad axe "Kosum" {antimagic,
                  | rC+}.
 29690 | D:14     | 29690 ||| SWAPPING to +6 heavy broad axe.
 29691 | D:14     | 29691 ||| SWAPPING to +9 broad axe "Kosum" {antimagic,
                  | rC+}.
 29692 | D:14     | 29692 ||| SWAPPING to +6 heavy broad axe.
 29693 | D:14     | 29693 ||| SWAPPING to +9 broad axe "Kosum" {antimagic,
                  | rC+}.
 29694 | D:14     | 29694 ||| SWAPPING to +6 heavy broad axe.
 29695 | D:14     | 29695 ||| SWAPPING to +9 broad axe "Kosum" {antimagic,
                  | rC+}.
 29696 | D:14     | 29696 ||| SWAPPING to +6 heavy broad axe.
 29697 | D:14     | 29697 ||| SWAPPING to +9 broad axe "Kosum" {antimagic,
                  | rC+}.
 29698 | D:14     | 29698 ||| SWAPPING to +6 heavy broad axe.
 29699 | D:14     | 29699 ||| SWAPPING to +9 broad axe "Kosum" {antimagic,
                  | rC+}.
 29700 | D:14     | 29700 ||| SWAPPING to +6 heavy broad axe.
 29701 | D:14     | 29701 ||| SWAPPING to +9 broad axe "Kosum" {antimagic,
                  | rC+}.
 29702 | D:14     | 29702 ||| SWAPPING to +6 heavy broad axe.
 29703 | D:14     | 29703 ||| SWAPPING to +9 broad axe "Kosum" {antimagic,
                  | rC+}.
 29704 | D:14     | 29704 ||| SWAPPING to +6 heavy broad axe.
 29705 | D:14     | 29705 ||| SWAPPING to +9 broad axe "Kosum" {antimagic,
                  | rC+}.
 29706 | D:14     | 29706 ||| SWAPPING to +6 heavy broad axe.
 29707 | D:14     | 29707 ||| SWAPPING to +9 broad axe "Kosum" {antimagic,
                  | rC+}.
 29708 | D:14     | 29708 ||| SWAPPING to +6 heavy broad axe.
 29709 | D:14     | 29709 ||| SWAPPING to +9 broad axe "Kosum" {antimagic,
                  | rC+}.
 29710 | D:14     | 29710 ||| SWAPPING to +6 heavy broad axe.
 29711 | D:14     | 29711 ||| SWAPPING to +9 broad axe "Kosum" {antimagic,
                  | rC+}.
 29712 | D:14     | 29712 ||| SWAPPING to +6 heavy broad axe.
 29713 | D:14     | 29713 ||| SWAPPING to +9 broad axe "Kosum" {antimagic,
                  | rC+}.
 29714 | D:14     | 29714 ||| SWAPPING to +6 heavy broad axe.
 29715 | D:14     | 29715 ||| SWAPPING to +9 broad axe "Kosum" {antimagic,
                  | rC+}.
 29716 | D:14     | 29716 ||| SWAPPING to +6 heavy broad axe.
 29717 | D:14     | 29717 ||| SWAPPING to +9 broad axe "Kosum" {antimagic,
                  | rC+}.
 29718 | D:14     | 29718 ||| SWAPPING to +6 heavy broad axe.
 29719 | D:14     | 29719 ||| SWAPPING to +9 broad axe "Kosum" {antimagic,
                  | rC+}.
 29720 | D:14     | 29720 ||| SWAPPING to +6 heavy broad axe.
 29721 | D:14     | 29721 ||| SWAPPING to +9 broad axe "Kosum" {antimagic,
                  | rC+}.
 29722 | D:14     | 29722 ||| SWAPPING to +6 heavy broad axe.
 29723 | D:14     | 29723 ||| SWAPPING to +9 broad axe "Kosum" {antimagic,
                  | rC+}.
 29724 | D:14     | 29724 ||| SWAPPING to +6 heavy broad axe.
 29725 | D:14     | 29725 ||| SWAPPING to +9 broad axe "Kosum" {antimagic,
                  | rC+}.
 29726 | D:14     | 29726 ||| SWAPPING to +6 heavy broad axe.
 29727 | D:14     | 29727 ||| SWAPPING to +9 broad axe "Kosum" {antimagic,
                  | rC+}.
 29728 | D:14     | 29728 ||| SWAPPING to +6 heavy broad axe.
 29729 | D:14     | 29729 ||| SWAPPING to +9 broad axe "Kosum" {antimagic,
                  | rC+}.
 29730 | D:14     | 29730 ||| SWAPPING to +6 heavy broad axe.
 29731 | D:14     | 29731 ||| SWAPPING to +9 broad axe "Kosum" {antimagic,
                  | rC+}.
 29732 | D:14     | 29732 ||| SWAPPING to +6 heavy broad axe.
 29733 | D:14     | 29733 ||| SWAPPING to +9 broad axe "Kosum" {antimagic,
                  | rC+}.
 29734 | D:14     | 29734 ||| SWAPPING to +6 heavy broad axe.
 29735 | D:14     | 29735 ||| SWAPPING to +9 broad axe "Kosum" {antimagic,
                  | rC+}.
 29736 | D:14     | 29736 ||| SWAPPING to +6 heavy broad axe.
 29737 | D:14     | 29737 ||| SWAPPING to +9 broad axe "Kosum" {antimagic,
                  | rC+}.
 29738 | D:14     | 29738 ||| SWAPPING to +6 heavy broad axe.
 29739 | D:14     | 29739 ||| SWAPPING to +9 broad axe "Kosum" {antimagic,
                  | rC+}.
 29740 | D:14     | 29740 ||| SWAPPING to +6 heavy broad axe.
 29741 | D:14     | 29741 ||| SWAPPING to +9 broad axe "Kosum" {antimagic,
                  | rC+}.
 29742 | D:14     | 29742 ||| SWAPPING to +6 heavy broad axe.
 29743 | D:14     | 29743 ||| SWAPPING to +9 broad axe "Kosum" {antimagic,
                  | rC+}.
 29744 | D:14     | 29744 ||| SWAPPING to +6 heavy broad axe.
 29745 | D:14     | 29745 ||| SWAPPING to +9 broad axe "Kosum" {antimagic,
                  | rC+}.
 29746 | D:14     | 29746 ||| SWAPPING to +6 heavy broad axe.
 29747 | D:14     | 29747 ||| SWAPPING to +9 broad axe "Kosum" {antimagic,
                  | rC+}.
 29748 | D:14     | 29748 ||| SWAPPING to +6 heavy broad axe.
 29749 | D:14     | 29749 ||| SWAPPING to +9 broad axe "Kosum" {antimagic,
                  | rC+}.
 29750 | D:14     | 29750 ||| SWAPPING to +6 heavy broad axe.
 29751 | D:14     | 29751 ||| SWAPPING to +9 broad axe "Kosum" {antimagic,
                  | rC+}.
 29752 | D:14     | 29752 ||| SWAPPING to +6 heavy broad axe.
 29753 | D:14     | 29753 ||| SWAPPING to +9 broad axe "Kosum" {antimagic,
                  | rC+}.
 29754 | D:14     | 29754 ||| SWAPPING to +6 heavy broad axe.
 29755 | D:14     | 29755 ||| SWAPPING to +9 broad axe "Kosum" {antimagic,
                  | rC+}.
 29756 | D:14     | 29756 ||| SWAPPING to +6 heavy broad axe.
 29757 | D:14     | 29757 ||| SWAPPING to +9 broad axe "Kosum" {antimagic,
                  | rC+}.
 29758 | D:14     | 29758 ||| SWAPPING to +6 heavy broad axe.
 29759 | D:14     | 29759 ||| SWAPPING to +9 broad axe "Kosum" {antimagic,
                  | rC+}.
 29760 | D:14     | 29760 ||| SWAPPING to +6 heavy broad axe.
 29761 | D:14     | 29761 ||| SWAPPING to +9 broad axe "Kosum" {antimagic,
                  | rC+}.
 29762 | D:14     | 29762 ||| SWAPPING to +6 heavy broad axe.
 29763 | D:14     | 29763 ||| SWAPPING to +9 broad axe "Kosum" {antimagic,
                  | rC+}.
 29764 | D:14     | 29764 ||| SWAPPING to +6 heavy broad axe.
 29765 | D:14     | 29765 ||| SWAPPING to +9 broad axe "Kosum" {antimagic,
                  | rC+}.
 29766 | D:14     | 29766 ||| SWAPPING to +6 heavy broad axe.
 29767 | D:14     | 29767 ||| SWAPPING to +9 broad axe "Kosum" {antimagic,
                  | rC+}.
 29768 | D:14     | 29768 ||| SWAPPING to +6 heavy broad axe.
 29769 | D:14     | 29769 ||| SWAPPING to +9 broad axe "Kosum" {antimagic,
                  | rC+}.
 29770 | D:14     | 29770 ||| SWAPPING to +6 heavy broad axe.
 29771 | D:14     | 29771 ||| SWAPPING to +9 broad axe "Kosum" {antimagic,
                  | rC+}.
 29772 | D:14     | 29772 ||| SWAPPING to +6 heavy broad axe.
 29773 | D:14     | 29773 ||| SWAPPING to +9 broad axe "Kosum" {antimagic,
                  | rC+}.
 29774 | D:14     | 29774 ||| SWAPPING to +6 heavy broad axe.
 29775 | D:14     | 29775 ||| SWAPPING to +9 broad axe "Kosum" {antimagic,
                  | rC+}.
 29776 | D:14     | 29776 ||| SWAPPING to +6 heavy broad axe.
 29777 | D:14     | 29777 ||| SWAPPING to +9 broad axe "Kosum" {antimagic,
                  | rC+}.
 29778 | D:14     | 29778 ||| SWAPPING to +6 heavy broad axe.
 29779 | D:14     | 29779 ||| SWAPPING to +9 broad axe "Kosum" {antimagic,
                  | rC+}.
 29780 | D:14     | 29780 ||| SWAPPING to +6 heavy broad axe.
 29781 | D:14     | 29781 ||| SWAPPING to +9 broad axe "Kosum" {antimagic,
                  | rC+}.
 29782 | D:14     | 29782 ||| SWAPPING to +6 heavy broad axe.
 29783 | D:14     | 29783 ||| SWAPPING to +9 broad axe "Kosum" {antimagic,
                  | rC+}.
 29784 | D:14     | 29784 ||| SWAPPING to +6 heavy broad axe.
 29785 | D:14     | 29785 ||| SWAPPING to +9 broad axe "Kosum" {antimagic,
                  | rC+}.
 29786 | D:14     | 29786 ||| SWAPPING to +6 heavy broad axe.
 29787 | D:14     | 29787 ||| SWAPPING to +9 broad axe "Kosum" {antimagic,
                  | rC+}.
 29788 | D:14     | 29788 ||| SWAPPING to +6 heavy broad axe.
 29789 | D:14     | 29789 ||| SWAPPING to +9 broad axe "Kosum" {antimagic,
                  | rC+}.
 29790 | D:14     | 29790 ||| SWAPPING to +6 heavy broad axe.
 29791 | D:14     | 29791 ||| SWAPPING to +9 broad axe "Kosum" {antimagic,
                  | rC+}.
 29792 | D:14     | 29792 ||| SWAPPING to +6 heavy broad axe.
 29793 | D:14     | 29793 ||| SWAPPING to +9 broad axe "Kosum" {antimagic,
                  | rC+}.
 29794 | D:14     | 29794 ||| SWAPPING to +6 heavy broad axe.
 29795 | D:14     | 29795 ||| SWAPPING to +9 broad axe "Kosum" {antimagic,
                  | rC+}.
 29796 | D:14     | 29796 ||| SWAPPING to +6 heavy broad axe.
 29797 | D:14     | 29797 ||| SWAPPING to +9 broad axe "Kosum" {antimagic,
                  | rC+}.
 29798 | D:14     | 29798 ||| SWAPPING to +6 heavy broad axe.
 29799 | D:14     | 29799 ||| SWAPPING to +9 broad axe "Kosum" {antimagic,
                  | rC+}.
 29800 | D:14     | 29800 ||| SWAPPING to +6 heavy broad axe.
 29801 | D:14     | 29801 ||| SWAPPING to +9 broad axe "Kosum" {antimagic,
                  | rC+}.
 29802 | D:14     | 29802 ||| SWAPPING to +6 heavy broad axe.
 29803 | D:14     | 29803 ||| SWAPPING to +9 broad axe "Kosum" {antimagic,
                  | rC+}.
 29804 | D:14     | 29804 ||| SWAPPING to +6 heavy broad axe.
 29805 | D:14     | 29805 ||| SWAPPING to +9 broad axe "Kosum" {antimagic,
                  | rC+}.
 29806 | D:14     | 29806 ||| SWAPPING to +6 heavy broad axe.
 29807 | D:14     | 29807 ||| SWAPPING to +9 broad axe "Kosum" {antimagic,
                  | rC+}.
 29808 | D:14     | 29808 ||| SWAPPING to +6 heavy broad axe.
 29809 | D:14     | 29809 ||| SWAPPING to +9 broad axe "Kosum" {antimagic,
                  | rC+}.
 29810 | D:14     | 29810 ||| SWAPPING to +6 heavy broad axe.
 29811 | D:14     | 29811 ||| SWAPPING to +9 broad axe "Kosum" {antimagic,
                  | rC+}.
 29812 | D:14     | 29812 ||| SWAPPING to +6 heavy broad axe.
 29813 | D:14     | 29813 ||| SWAPPING to +9 broad axe "Kosum" {antimagic,
                  | rC+}.
 29814 | D:14     | 29814 ||| SWAPPING to +6 heavy broad axe.
 29815 | D:14     | 29815 ||| SWAPPING to +9 broad axe "Kosum" {antimagic,
                  | rC+}.
 29816 | D:14     | 29816 ||| SWAPPING to +6 heavy broad axe.
 29817 | D:14     | 29817 ||| SWAPPING to +9 broad axe "Kosum" {antimagic,
                  | rC+}.
 29818 | D:14     | 29818 ||| SWAPPING to +6 heavy broad axe.
 29819 | D:14     | 29819 ||| SWAPPING to +9 broad axe "Kosum" {antimagic,
                  | rC+}.
 29820 | D:14     | 29820 ||| SWAPPING to +6 heavy broad axe.
 29821 | D:14     | 29821 ||| SWAPPING to +9 broad axe "Kosum" {antimagic,
                  | rC+}.
 29822 | D:14     | 29822 ||| SWAPPING to +6 heavy broad axe.
 29823 | D:14     | 29823 ||| SWAPPING to +9 broad axe "Kosum" {antimagic,
                  | rC+}.
 29824 | D:14     | 29824 ||| SWAPPING to +6 heavy broad axe.
 29825 | D:14     | 29825 ||| SWAPPING to +9 broad axe "Kosum" {antimagic,
                  | rC+}.
 29826 | D:14     | 29826 ||| SWAPPING to +6 heavy broad axe.
 29827 | D:14     | 29827 ||| SWAPPING to +9 broad axe "Kosum" {antimagic,
                  | rC+}.
 29828 | D:14     | 29828 ||| SWAPPING to +6 heavy broad axe.
 29829 | D:14     | 29829 ||| SWAPPING to +9 broad axe "Kosum" {antimagic,
                  | rC+}.
 29830 | D:14     | 29830 ||| SWAPPING to +6 heavy broad axe.
 29831 | D:14     | 29831 ||| SWAPPING to +9 broad axe "Kosum" {antimagic,
                  | rC+}.
 29832 | D:14     | 29832 ||| SWAPPING to +6 heavy broad axe.
 29833 | D:14     | 29833 ||| SWAPPING to +9 broad axe "Kosum" {antimagic,
                  | rC+}.
 29834 | D:14     | 29834 ||| SWAPPING to +6 heavy broad axe.
 29835 | D:14     | 29835 ||| SWAPPING to +9 broad axe "Kosum" {antimagic,
                  | rC+}.
 29836 | D:14     | 29836 ||| SWAPPING to +6 heavy broad axe.
 29837 | D:14     | 29837 ||| SWAPPING to +9 broad axe "Kosum" {antimagic,
                  | rC+}.
 29838 | D:14     | 29838 ||| SWAPPING to +6 heavy broad axe.
 29839 | D:14     | 29839 ||| SWAPPING to +9 broad axe "Kosum" {antimagic,
                  | rC+}.
 29840 | D:14     | 29840 ||| SWAPPING to +6 heavy broad axe.
 29841 | D:14     | 29841 ||| SWAPPING to +9 broad axe "Kosum" {antimagic,
                  | rC+}.
 29842 | D:14     | 29842 ||| SWAPPING to +6 heavy broad axe.
 29843 | D:14     | 29843 ||| SWAPPING to +9 broad axe "Kosum" {antimagic,
                  | rC+}.
 29844 | D:14     | 29844 ||| SWAPPING to +6 heavy broad axe.
 29845 | D:14     | 29845 ||| SWAPPING to +9 broad axe "Kosum" {antimagic,
                  | rC+}.
 29846 | D:14     | 29846 ||| SWAPPING to +6 heavy broad axe.
 29847 | D:14     | 29847 ||| SWAPPING to +9 broad axe "Kosum" {antimagic,
                  | rC+}.
 29848 | D:14     | 29848 ||| SWAPPING to +6 heavy broad axe.
 29849 | D:14     | 29849 ||| SWAPPING to +9 broad axe "Kosum" {antimagic,
                  | rC+}.
 29850 | D:14     | 29850 ||| SWAPPING to +6 heavy broad axe.
 29851 | D:14     | 29851 ||| SWAPPING to +9 broad axe "Kosum" {antimagic,
                  | rC+}.
 29852 | D:14     | 29852 ||| SWAPPING to +6 heavy broad axe.
 29853 | D:14     | 29853 ||| SWAPPING to +9 broad axe "Kosum" {antimagic,
                  | rC+}.
 29854 | D:14     | 29854 ||| SWAPPING to +6 heavy broad axe.
 29855 | D:14     | 29855 ||| SWAPPING to +9 broad axe "Kosum" {antimagic,
                  | rC+}.
 29856 | D:14     | 29856 ||| SWAPPING to +6 heavy broad axe.
 29857 | D:14     | 29857 ||| SWAPPING to +9 broad axe "Kosum" {antimagic,
                  | rC+}.
 29858 | D:14     | 29858 ||| SWAPPING to +6 heavy broad axe.
 29859 | D:14     | 29859 ||| SWAPPING to +9 broad axe "Kosum" {antimagic,
                  | rC+}.
 29860 | D:14     | 29860 ||| SWAPPING to +6 heavy broad axe.
 29861 | D:14     | 29861 ||| SWAPPING to +9 broad axe "Kosum" {antimagic,
                  | rC+}.
 29862 | D:14     | 29862 ||| SWAPPING to +6 heavy broad axe.
 29863 | D:14     | 29863 ||| SWAPPING to +9 broad axe "Kosum" {antimagic,
                  | rC+}.
 29864 | D:14     | 29864 ||| SWAPPING to +6 heavy broad axe.
 29865 | D:14     | 29865 ||| SWAPPING to +9 broad axe "Kosum" {antimagic,
                  | rC+}.
 29866 | D:14     | 29866 ||| SWAPPING to +6 heavy broad axe.
 29867 | D:14     | 29867 ||| SWAPPING to +9 broad axe "Kosum" {antimagic,
                  | rC+}.
 29868 | D:14     | 29868 ||| SWAPPING to +6 heavy broad axe.
 29869 | D:14     | 29869 ||| SWAPPING to +9 broad axe "Kosum" {antimagic,
                  | rC+}.
 29870 | D:14     | 29870 ||| SWAPPING to +6 heavy broad axe.
 29871 | D:14     | 29871 ||| SWAPPING to +9 broad axe "Kosum" {antimagic,
                  | rC+}.
 29872 | D:14     | 29872 ||| SWAPPING to +6 heavy broad axe.
 29873 | D:14     | 29873 ||| SWAPPING to +9 broad axe "Kosum" {antimagic,
                  | rC+}.
 29874 | D:14     | 29874 ||| SWAPPING to +6 heavy broad axe.
 29875 | D:14     | 29875 ||| SWAPPING to +9 broad axe "Kosum" {antimagic,
                  | rC+}.
 29876 | D:14     | 29876 ||| SWAPPING to +6 heavy broad axe.
 29877 | D:14     | 29877 ||| SWAPPING to +9 broad axe "Kosum" {antimagic,
                  | rC+}.
 29878 | D:14     | 29878 ||| SWAPPING to +6 heavy broad axe.
 29879 | D:14     | 29879 ||| SWAPPING to +9 broad axe "Kosum" {antimagic,
                  | rC+}.
 29880 | D:14     | 29880 ||| SWAPPING to +6 heavy broad axe.
 29881 | D:14     | 29881 ||| SWAPPING to +9 broad axe "Kosum" {antimagic,
                  | rC+}.
 29882 | D:14     | 29882 ||| SWAPPING to +6 heavy broad axe.
 29883 | D:14     | 29883 ||| SWAPPING to +9 broad axe "Kosum" {antimagic,
                  | rC+}.
 29884 | D:14     | 29884 ||| SWAPPING to +6 heavy broad axe.
 29885 | D:14     | 29885 ||| SWAPPING to +9 broad axe "Kosum" {antimagic,
                  | rC+}.
 29886 | D:14     | 29886 ||| SWAPPING to +6 heavy broad axe.
 29887 | D:14     | 29887 ||| SWAPPING to +9 broad axe "Kosum" {antimagic,
                  | rC+}.
 29888 | D:14     | 29888 ||| SWAPPING to +6 heavy broad axe.
 29889 | D:14     | 29889 ||| SWAPPING to +9 broad axe "Kosum" {antimagic,
                  | rC+}.
 29890 | D:14     | 29890 ||| SWAPPING to +6 heavy broad axe.
 29891 | D:14     | 29891 ||| SWAPPING to +9 broad axe "Kosum" {antimagic,
                  | rC+}.
 29892 | D:14     | 29892 ||| SWAPPING to +6 heavy broad axe.
 29893 | D:14     | 29893 ||| SWAPPING to +9 broad axe "Kosum" {antimagic,
                  | rC+}.
 29894 | D:14     | 29894 ||| SWAPPING to +6 heavy broad axe.
 29895 | D:14     | 29895 ||| SWAPPING to +9 broad axe "Kosum" {antimagic,
                  | rC+}.
 29896 | D:14     | 29896 ||| SWAPPING to +6 heavy broad axe.
 29897 | D:14     | 29897 ||| SWAPPING to +9 broad axe "Kosum" {antimagic,
                  | rC+}.
 29898 | D:14     | 29898 ||| SWAPPING to +6 heavy broad axe.
 29899 | D:14     | 29899 ||| SWAPPING to +9 broad axe "Kosum" {antimagic,
                  | rC+}.
 29900 | D:14     | 29900 ||| SWAPPING to +6 heavy broad axe.
 29901 | D:14     | 29901 ||| SWAPPING to +9 broad axe "Kosum" {antimagic,
                  | rC+}.
 29902 | D:14     | 29902 ||| SWAPPING to +6 heavy broad axe.
 29903 | D:14     | 29903 ||| SWAPPING to +9 broad axe "Kosum" {antimagic,
                  | rC+}.
 29904 | D:14     | 29904 ||| SWAPPING to +6 heavy broad axe.
 29905 | D:14     | 29905 ||| SWAPPING to +9 broad axe "Kosum" {antimagic,
                  | rC+}.
 29906 | D:14     | 29906 ||| SWAPPING to +6 heavy broad axe.
 29907 | D:14     | 29907 ||| SWAPPING to +9 broad axe "Kosum" {antimagic,
                  | rC+}.
 29908 | D:14     | 29908 ||| SWAPPING to +6 heavy broad axe.
 29909 | D:14     | 29909 ||| SWAPPING to +9 broad axe "Kosum" {antimagic,
                  | rC+}.
 29910 | D:14     | 29910 ||| SWAPPING to +6 heavy broad axe.
 29911 | D:14     | 29911 ||| SWAPPING to +9 broad axe "Kosum" {antimagic,
                  | rC+}.
 29912 | D:14     | 29912 ||| SWAPPING to +6 heavy broad axe.
 29913 | D:14     | 29913 ||| SWAPPING to +9 broad axe "Kosum" {antimagic,
                  | rC+}.
 29914 | D:14     | 29914 ||| SWAPPING to +6 heavy broad axe.
 29915 | D:14     | 29915 ||| SWAPPING to +9 broad axe "Kosum" {antimagic,
                  | rC+}.
 29916 | D:14     | 29916 ||| SWAPPING to +6 heavy broad axe.
 29917 | D:14     | 29917 ||| SWAPPING to +9 broad axe "Kosum" {antimagic,
                  | rC+}.
 29918 | D:14     | 29918 ||| SWAPPING to +6 heavy broad axe.
 29919 | D:14     | 29919 ||| SWAPPING to +9 broad axe "Kosum" {antimagic,
                  | rC+}.
 29920 | D:14     | 29920 ||| SWAPPING to +6 heavy broad axe.
 29921 | D:14     | 29921 ||| SWAPPING to +9 broad axe "Kosum" {antimagic,
                  | rC+}.
 29922 | D:14     | 29922 ||| SWAPPING to +6 heavy broad axe.
 29923 | D:14     | 29923 ||| SWAPPING to +9 broad axe "Kosum" {antimagic,
                  | rC+}.
 29924 | D:14     | 29924 ||| SWAPPING to +6 heavy broad axe.
 29925 | D:14     | 29925 ||| SWAPPING to +9 broad axe "Kosum" {antimagic,
                  | rC+}.
 29926 | D:14     | 29926 ||| SWAPPING to +6 heavy broad axe.
 29927 | D:14     | 29927 ||| SWAPPING to +9 broad axe "Kosum" {antimagic,
                  | rC+}.
 29928 | D:14     | 29928 ||| SWAPPING to +6 heavy broad axe.
 29929 | D:14     | 29929 ||| SWAPPING to +9 broad axe "Kosum" {antimagic,
                  | rC+}.
 29930 | D:14     | 29930 ||| SWAPPING to +6 heavy broad axe.
 29931 | D:14     | 29931 ||| SWAPPING to +9 broad axe "Kosum" {antimagic,
                  | rC+}.
 29932 | D:14     | 29932 ||| SWAPPING to +6 heavy broad axe.
 29933 | D:14     | 29933 ||| SWAPPING to +9 broad axe "Kosum" {antimagic,
                  | rC+}.
 29934 | D:14     | 29934 ||| SWAPPING to +6 heavy broad axe.
 29935 | D:14     | 29935 ||| SWAPPING to +9 broad axe "Kosum" {antimagic,
                  | rC+}.
 29936 | D:14     | 29936 ||| SWAPPING to +6 heavy broad axe.
 29937 | D:14     | 29937 ||| SWAPPING to +9 broad axe "Kosum" {antimagic,
                  | rC+}.
 29938 | D:14     | 29938 ||| SWAPPING to +6 heavy broad axe.
 29939 | D:14     | 29939 ||| SWAPPING to +9 broad axe "Kosum" {antimagic,
                  | rC+}.
 29940 | D:14     | 29940 ||| SWAPPING to +6 heavy broad axe.
 29941 | D:14     | 29941 ||| SWAPPING to +9 broad axe "Kosum" {antimagic,
                  | rC+}.
 29942 | D:14     | 29942 ||| SWAPPING to +6 heavy broad axe.
 29943 | D:14     | 29943 ||| SWAPPING to +9 broad axe "Kosum" {antimagic,
                  | rC+}.
 29944 | D:14     | 29944 ||| SWAPPING to +6 heavy broad axe.
 29945 | D:14     | 29945 ||| SWAPPING to +9 broad axe "Kosum" {antimagic,
                  | rC+}.
 29946 | D:14     | 29946 ||| SWAPPING to +6 heavy broad axe.
 29947 | D:14     | 29947 ||| SWAPPING to +9 broad axe "Kosum" {antimagic,
                  | rC+}.
 29948 | D:14     | 29948 ||| SWAPPING to +6 heavy broad axe.
 29949 | D:14     | 29949 ||| SWAPPING to +9 broad axe "Kosum" {antimagic,
                  | rC+}.
 29950 | D:14     | 29950 ||| SWAPPING to +6 heavy broad axe.
 29951 | D:14     | 29951 ||| SWAPPING to +9 broad axe "Kosum" {antimagic,
                  | rC+}.
 29952 | D:14     | 29952 ||| SWAPPING to +6 heavy broad axe.
 29953 | D:14     | 29953 ||| SWAPPING to +9 broad axe "Kosum" {antimagic,
                  | rC+}.
 29954 | D:14     | 29954 ||| SWAPPING to +6 heavy broad axe.
 29955 | D:14     | 29955 ||| SWAPPING to +9 broad axe "Kosum" {antimagic,
                  | rC+}.
 29956 | D:14     | 29956 ||| SWAPPING to +6 heavy broad axe.
 29957 | D:14     | 29957 ||| SWAPPING to +9 broad axe "Kosum" {antimagic,
                  | rC+}.
 29958 | D:14     | 29958 ||| SWAPPING to +6 heavy broad axe.
 29959 | D:14     | 29959 ||| SWAPPING to +9 broad axe "Kosum" {antimagic,
                  | rC+}.
 29960 | D:14     | 29960 ||| SWAPPING to +6 heavy broad axe.
 29961 | D:14     | 29961 ||| SWAPPING to +9 broad axe "Kosum" {antimagic,
                  | rC+}.
 29962 | D:14     | 29962 ||| SWAPPING to +6 heavy broad axe.
 29963 | D:14     | 29963 ||| SWAPPING to +9 broad axe "Kosum" {antimagic,
                  | rC+}.
 29964 | D:14     | 29964 ||| SWAPPING to +6 heavy broad axe.
 29965 | D:14     | 29965 ||| SWAPPING to +9 broad axe "Kosum" {antimagic,
                  | rC+}.
 29966 | D:14     | 29966 ||| SWAPPING to +6 heavy broad axe.
 29967 | D:14     | 29967 ||| SWAPPING to +9 broad axe "Kosum" {antimagic,
                  | rC+}.
 29968 | D:14     | 29968 ||| SWAPPING to +6 heavy broad axe.
 29969 | D:14     | 29969 ||| SWAPPING to +9 broad axe "Kosum" {antimagic,
                  | rC+}.
 29970 | D:14     | 29970 ||| SWAPPING to +6 heavy broad axe.
 29971 | D:14     | 29971 ||| SWAPPING to +9 broad axe "Kosum" {antimagic,
                  | rC+}.
 29972 | D:14     | 29972 ||| SWAPPING to +6 heavy broad axe.
 29973 | D:14     | 29973 ||| SWAPPING to +9 broad axe "Kosum" {antimagic,
                  | rC+}.
 29974 | D:14     | 29974 ||| SWAPPING to +6 heavy broad axe.
 29975 | D:14     | 29975 ||| SWAPPING to +9 broad axe "Kosum" {antimagic,
                  | rC+}.
 29976 | D:14     | 29976 ||| SWAPPING to +6 heavy broad axe.
 29977 | D:14     | 29977 ||| SWAPPING to +9 broad axe "Kosum" {antimagic,
                  | rC+}.
 29978 | D:14     | 29978 ||| SWAPPING to +6 heavy broad axe.
 29979 | D:14     | 29979 ||| SWAPPING to +9 broad axe "Kosum" {antimagic,
                  | rC+}.
 29980 | D:14     | 29980 ||| SWAPPING to +6 heavy broad axe.
 29981 | D:14     | 29981 ||| SWAPPING to +9 broad axe "Kosum" {antimagic,
                  | rC+}.
 29982 | D:14     | 29982 ||| SWAPPING to +6 heavy broad axe.
 29983 | D:14     | 29983 ||| SWAPPING to +9 broad axe "Kosum" {antimagic,
                  | rC+}.
 29984 | D:14     | 29984 ||| SWAPPING to +6 heavy broad axe.
 29985 | D:14     | 29985 ||| SWAPPING to +9 broad axe "Kosum" {antimagic,
                  | rC+}.
 29986 | D:14     | 29986 ||| SWAPPING to +6 heavy broad axe.
 29987 | D:14     | 29987 ||| SWAPPING to +9 broad axe "Kosum" {antimagic,
                  | rC+}.
 29988 | D:14     | 29988 ||| SWAPPING to +6 heavy broad axe.
 29989 | D:14     | 29989 ||| SWAPPING to +9 broad axe "Kosum" {antimagic,
                  | rC+}.
 29990 | D:14     | 29990 ||| SWAPPING to +6 heavy broad axe.
 29991 | D:14     | 29991 ||| SWAPPING to +9 broad axe "Kosum" {antimagic,
                  | rC+}.
 29992 | D:14     | 29992 ||| SWAPPING to +6 heavy broad axe.
 29993 | D:14     | 29993 ||| SWAPPING to +9 broad axe "Kosum" {antimagic,
                  | rC+}.
 29994 | D:14     | 29994 ||| SWAPPING to +6 heavy broad axe.
 29995 | D:14     | 29995 ||| SWAPPING to +9 broad axe "Kosum" {antimagic,
                  | rC+}.
 29996 | D:14     | 29996 ||| SWAPPING to +6 heavy broad axe.
 29997 | D:14     | 29997 ||| SWAPPING to +9 broad axe "Kosum" {antimagic,
                  | rC+}.
 29998 | D:14     | 29998 ||| SWAPPING to +6 heavy broad axe.
 29999 | D:14     | 29999 ||| SWAPPING to +9 broad axe "Kosum" {antimagic,
                  | rC+}.
 30000 | D:14     | 30000 ||| SWAPPING to +6 heavy broad axe.
 30001 | D:14     | 30001 ||| SWAPPING to +9 broad axe "Kosum" {antimagic,
                  | rC+}.
 30002 | D:14     | 30002 ||| SWAPPING to +6 heavy broad axe.
 30003 | D:14     | 30003 ||| SWAPPING to +9 broad axe "Kosum" {antimagic,
                  | rC+}.
 30004 | D:14     | 30004 ||| SWAPPING to +6 heavy broad axe.
 30005 | D:14     | 30005 ||| SWAPPING to +9 broad axe "Kosum" {antimagic,
                  | rC+}.
 30006 | D:14     | 30006 ||| SWAPPING to +6 heavy broad axe.
 30007 | D:14     | 30007 ||| SWAPPING to +9 broad axe "Kosum" {antimagic,
                  | rC+}.
 30008 | D:14     | 30008 ||| SWAPPING to +6 heavy broad axe.
 30009 | D:14     | 30009 ||| SWAPPING to +9 broad axe "Kosum" {antimagic,
                  | rC+}.
 30010 | D:14     | 30010 ||| SWAPPING to +6 heavy broad axe.
 30011 | D:14     | 30011 ||| SWAPPING to +9 broad axe "Kosum" {antimagic,
                  | rC+}.
 30012 | D:14     | 30012 ||| SWAPPING to +6 heavy broad axe.
 30013 | D:14     | 30013 ||| SWAPPING to +9 broad axe "Kosum" {antimagic,
                  | rC+}.
 30014 | D:14     | 30014 ||| SWAPPING to +6 heavy broad axe.
 30015 | D:14     | 30015 ||| SWAPPING to +9 broad axe "Kosum" {antimagic,
                  | rC+}.
 30016 | D:14     | 30016 ||| SWAPPING to +6 heavy broad axe.
 30017 | D:14     | 30017 ||| SWAPPING to +9 broad axe "Kosum" {antimagic,
                  | rC+}.
 30018 | D:14     | 30018 ||| SWAPPING to +6 heavy broad axe.
 30019 | D:14     | 30019 ||| SWAPPING to +9 broad axe "Kosum" {antimagic,
                  | rC+}.
 30020 | D:14     | 30020 ||| SWAPPING to +6 heavy broad axe.
 30021 | D:14     | 30021 ||| SWAPPING to +9 broad axe "Kosum" {antimagic,
                  | rC+}.
 30022 | D:14     | 30022 ||| SWAPPING to +6 heavy broad axe.
 30023 | D:14     | 30023 ||| SWAPPING to +9 broad axe "Kosum" {antimagic,
                  | rC+}.
 30024 | D:14     | 30024 ||| SWAPPING to +6 heavy broad axe.
 30025 | D:14     | 30025 ||| SWAPPING to +9 broad axe "Kosum" {antimagic,
                  | rC+}.
 30026 | D:14     | 30026 ||| SWAPPING to +6 heavy broad axe.
 30027 | D:14     | 30027 ||| SWAPPING to +9 broad axe "Kosum" {antimagic,
                  | rC+}.
 30028 | D:14     | 30028 ||| SWAPPING to +6 heavy broad axe.
 30029 | D:14     | 30029 ||| SWAPPING to +9 broad axe "Kosum" {antimagic,
                  | rC+}.
 30030 | D:14     | 30030 ||| SWAPPING to +6 heavy broad axe.
 30031 | D:14     | 30031 ||| SWAPPING to +9 broad axe "Kosum" {antimagic,
                  | rC+}.
 30032 | D:14     | 30032 ||| SWAPPING to +6 heavy broad axe.
 30033 | D:14     | 30033 ||| SWAPPING to +9 broad axe "Kosum" {antimagic,
                  | rC+}.
 30034 | D:14     | 30034 ||| SWAPPING to +6 heavy broad axe.
 30035 | D:14     | 30035 ||| SWAPPING to +9 broad axe "Kosum" {antimagic,
                  | rC+}.
 30036 | D:14     | 30036 ||| SWAPPING to +6 heavy broad axe.
 30037 | D:14     | 30037 ||| SWAPPING to +9 broad axe "Kosum" {antimagic,
                  | rC+}.
 30038 | D:14     | 30038 ||| SWAPPING to +6 heavy broad axe.
 30039 | D:14     | 30039 ||| SWAPPING to +9 broad axe "Kosum" {antimagic,
                  | rC+}.
 30040 | D:14     | 30040 ||| SWAPPING to +6 heavy broad axe.
 30041 | D:14     | 30041 ||| SWAPPING to +9 broad axe "Kosum" {antimagic,
                  | rC+}.
 30042 | D:14     | 30042 ||| SWAPPING to +6 heavy broad axe.
 30043 | D:14     | 30043 ||| SWAPPING to +9 broad axe "Kosum" {antimagic,
                  | rC+}.
 30044 | D:14     | 30044 ||| SWAPPING to +6 heavy broad axe.
 30045 | D:14     | 30045 ||| SWAPPING to +9 broad axe "Kosum" {antimagic,
                  | rC+}.
 30046 | D:14     | 30046 ||| SWAPPING to +6 heavy broad axe.
 30047 | D:14     | 30047 ||| SWAPPING to +9 broad axe "Kosum" {antimagic,
                  | rC+}.
 30048 | D:14     | 30048 ||| SWAPPING to +6 heavy broad axe.
 30049 | D:14     | 30049 ||| SWAPPING to +9 broad axe "Kosum" {antimagic,
                  | rC+}.
 30050 | D:14     | 30050 ||| SWAPPING to +6 heavy broad axe.
 30051 | D:14     | 30051 ||| SWAPPING to +9 broad axe "Kosum" {antimagic,
                  | rC+}.
 30052 | D:14     | 30052 ||| SWAPPING to +6 heavy broad axe.
 30053 | D:14     | 30053 ||| SWAPPING to +9 broad axe "Kosum" {antimagic,
                  | rC+}.
 30054 | D:14     | 30054 ||| SWAPPING to +6 heavy broad axe.
 30055 | D:14     | 30055 ||| SWAPPING to +9 broad axe "Kosum" {antimagic,
                  | rC+}.
 30056 | D:14     | 30056 ||| SWAPPING to +6 heavy broad axe.
 30057 | D:14     | 30057 ||| SWAPPING to +9 broad axe "Kosum" {antimagic,
                  | rC+}.
 30058 | D:14     | 30058 ||| SWAPPING to +6 heavy broad axe.
 30059 | D:14     | 30059 ||| SWAPPING to +9 broad axe "Kosum" {antimagic,
                  | rC+}.
 30060 | D:14     | 30060 ||| SWAPPING to +6 heavy broad axe.
 30061 | D:14     | 30061 ||| SWAPPING to +9 broad axe "Kosum" {antimagic,
                  | rC+}.
 30062 | D:14     | 30062 ||| SWAPPING to +6 heavy broad axe.
 30063 | D:14     | 30063 ||| SWAPPING to +9 broad axe "Kosum" {antimagic,
                  | rC+}.
 30064 | D:14     | 30064 ||| SWAPPING to +6 heavy broad axe.
 30065 | D:14     | 30065 ||| SWAPPING to +9 broad axe "Kosum" {antimagic,
                  | rC+}.
 30066 | D:14     | 30066 ||| SWAPPING to +6 heavy broad axe.
 30067 | D:14     | 30067 ||| SWAPPING to +9 broad axe "Kosum" {antimagic,
                  | rC+}.
 30068 | D:14     | 30068 ||| SWAPPING to +6 heavy broad axe.
 30069 | D:14     | 30069 ||| SWAPPING to +9 broad axe "Kosum" {antimagic,
                  | rC+}.
 30070 | D:14     | 30070 ||| SWAPPING to +6 heavy broad axe.
 30071 | D:14     | 30071 ||| SWAPPING to +9 broad axe "Kosum" {antimagic,
                  | rC+}.
 30072 | D:14     | 30072 ||| SWAPPING to +6 heavy broad axe.
 30073 | D:14     | 30073 ||| SWAPPING to +9 broad axe "Kosum" {antimagic,
                  | rC+}.
 30074 | D:14     | 30074 ||| SWAPPING to +6 heavy broad axe.
 30075 | D:14     | 30075 ||| SWAPPING to +9 broad axe "Kosum" {antimagic,
                  | rC+}.
 30076 | D:14     | 30076 ||| SWAPPING to +6 heavy broad axe.
 30077 | D:14     | 30077 ||| SWAPPING to +9 broad axe "Kosum" {antimagic,
                  | rC+}.
 30078 | D:14     | 30078 ||| SWAPPING to +6 heavy broad axe.
 30079 | D:14     | 30079 ||| SWAPPING to +9 broad axe "Kosum" {antimagic,
                  | rC+}.
 30080 | D:14     | 30080 ||| SWAPPING to +6 heavy broad axe.
 30081 | D:14     | 30081 ||| SWAPPING to +9 broad axe "Kosum" {antimagic,
                  | rC+}.
 30082 | D:14     | 30082 ||| SWAPPING to +6 heavy broad axe.
 30083 | D:14     | 30083 ||| SWAPPING to +9 broad axe "Kosum" {antimagic,
                  | rC+}.
 30084 | D:14     | 30084 ||| SWAPPING to +6 heavy broad axe.
 30085 | D:14     | 30085 ||| SWAPPING to +9 broad axe "Kosum" {antimagic,
                  | rC+}.
 30086 | D:14     | 30086 ||| SWAPPING to +6 heavy broad axe.
 30087 | D:14     | 30087 ||| SWAPPING to +9 broad axe "Kosum" {antimagic,
                  | rC+}.
 30088 | D:14     | 30088 ||| SWAPPING to +6 heavy broad axe.
 30089 | D:14     | 30089 ||| SWAPPING to +9 broad axe "Kosum" {antimagic,
                  | rC+}.
 30090 | D:14     | 30090 ||| SWAPPING to +6 heavy broad axe.
 30091 | D:14     | 30091 ||| SWAPPING to +9 broad axe "Kosum" {antimagic,
                  | rC+}.
 30092 | D:14     | 30092 ||| SWAPPING to +6 heavy broad axe.
 30093 | D:14     | 30093 ||| SWAPPING to +9 broad axe "Kosum" {antimagic,
                  | rC+}.
 30094 | D:14     | 30094 ||| SWAPPING to +6 heavy broad axe.
 30095 | D:14     | 30095 ||| SWAPPING to +9 broad axe "Kosum" {antimagic,
                  | rC+}.
 30096 | D:14     | 30096 ||| SWAPPING to +6 heavy broad axe.
 30097 | D:14     | 30097 ||| SWAPPING to +9 broad axe "Kosum" {antimagic,
                  | rC+}.
 30098 | D:14     | 30098 ||| SWAPPING to +6 heavy broad axe.
 30099 | D:14     | 30099 ||| SWAPPING to +9 broad axe "Kosum" {antimagic,
                  | rC+}.
 30100 | D:14     | 30100 ||| SWAPPING to +6 heavy broad axe.
 30101 | D:14     | 30101 ||| SWAPPING to +9 broad axe "Kosum" {antimagic,
                  | rC+}.
 30102 | D:14     | 30102 ||| SWAPPING to +6 heavy broad axe.
 30103 | D:14     | 30103 ||| SWAPPING to +9 broad axe "Kosum" {antimagic,
                  | rC+}.
 30104 | D:14     | 30104 ||| SWAPPING to +6 heavy broad axe.
 30105 | D:14     | 30105 ||| SWAPPING to +9 broad axe "Kosum" {antimagic,
                  | rC+}.
 30106 | D:14     | 30106 ||| SWAPPING to +6 heavy broad axe.
 30107 | D:14     | 30107 ||| SWAPPING to +9 broad axe "Kosum" {antimagic,
                  | rC+}.
 30108 | D:14     | 30108 ||| SWAPPING to +6 heavy broad axe.
 30109 | D:14     | 30109 ||| SWAPPING to +9 broad axe "Kosum" {antimagic,
                  | rC+}.
 30110 | D:14     | 30110 ||| SWAPPING to +6 heavy broad axe.
 30111 | D:14     | 30111 ||| SWAPPING to +9 broad axe "Kosum" {antimagic,
                  | rC+}.
 30112 | D:14     | 30112 ||| SWAPPING to +6 heavy broad axe.
 30113 | D:14     | 30113 ||| SWAPPING to +9 broad axe "Kosum" {antimagic,
                  | rC+}.
 30114 | D:14     | 30114 ||| SWAPPING to +6 heavy broad axe.
 30115 | D:14     | 30115 ||| SWAPPING to +9 broad axe "Kosum" {antimagic,
                  | rC+}.
 30116 | D:14     | 30116 ||| SWAPPING to +6 heavy broad axe.
 30117 | D:14     | 30117 ||| SWAPPING to +9 broad axe "Kosum" {antimagic,
                  | rC+}.
 30118 | D:14     | 30118 ||| SWAPPING to +6 heavy broad axe.
 30119 | D:14     | 30119 ||| SWAPPING to +9 broad axe "Kosum" {antimagic,
                  | rC+}.
 30120 | D:14     | 30120 ||| SWAPPING to +6 heavy broad axe.
 30121 | D:14     | 30121 ||| SWAPPING to +9 broad axe "Kosum" {antimagic,
                  | rC+}.
 30122 | D:14     | 30122 ||| SWAPPING to +6 heavy broad axe.
 30123 | D:14     | 30123 ||| SWAPPING to +9 broad axe "Kosum" {antimagic,
                  | rC+}.
 30124 | D:14     | 30124 ||| SWAPPING to +6 heavy broad axe.
 30125 | D:14     | 30125 ||| SWAPPING to +9 broad axe "Kosum" {antimagic,
                  | rC+}.
 30126 | D:14     | 30126 ||| SWAPPING to +6 heavy broad axe.
 30127 | D:14     | 30127 ||| SWAPPING to +9 broad axe "Kosum" {antimagic,
                  | rC+}.
 30128 | D:14     | 30128 ||| SWAPPING to +6 heavy broad axe.
 30129 | D:14     | 30129 ||| SWAPPING to +9 broad axe "Kosum" {antimagic,
                  | rC+}.
 30130 | D:14     | 30130 ||| SWAPPING to +6 heavy broad axe.
 30131 | D:14     | 30131 ||| SWAPPING to +9 broad axe "Kosum" {antimagic,
                  | rC+}.
 30132 | D:14     | 30132 ||| SWAPPING to +6 heavy broad axe.
 30133 | D:14     | 30133 ||| SWAPPING to +9 broad axe "Kosum" {antimagic,
                  | rC+}.
 30134 | D:14     | 30134 ||| SWAPPING to +6 heavy broad axe.
 30135 | D:14     | 30135 ||| SWAPPING to +9 broad axe "Kosum" {antimagic,
                  | rC+}.
 30136 | D:14     | 30136 ||| SWAPPING to +6 heavy broad axe.
 30137 | D:14     | 30137 ||| SWAPPING to +9 broad axe "Kosum" {antimagic,
                  | rC+}.
 30138 | D:14     | 30138 ||| SWAPPING to +6 heavy broad axe.
 30139 | D:14     | 30139 ||| SWAPPING to +9 broad axe "Kosum" {antimagic,
                  | rC+}.
 30140 | D:14     | 30140 ||| SWAPPING to +6 heavy broad axe.
 30141 | D:14     | 30141 ||| SWAPPING to +9 broad axe "Kosum" {antimagic,
                  | rC+}.
 30142 | D:14     | 30142 ||| SWAPPING to +6 heavy broad axe.
 30143 | D:14     | 30143 ||| SWAPPING to +9 broad axe "Kosum" {antimagic,
                  | rC+}.
 30144 | D:14     | 30144 ||| SWAPPING to +6 heavy broad axe.
 30145 | D:14     | 30145 ||| SWAPPING to +9 broad axe "Kosum" {antimagic,
                  | rC+}.
 30146 | D:14     | 30146 ||| SWAPPING to +6 heavy broad axe.
 30147 | D:14     | 30147 ||| SWAPPING to +9 broad axe "Kosum" {antimagic,
                  | rC+}.
 30148 | D:14     | 30148 ||| SWAPPING to +6 heavy broad axe.
 30149 | D:14     | 30149 ||| SWAPPING to +9 broad axe "Kosum" {antimagic,
                  | rC+}.
 30150 | D:14     | 30150 ||| SWAPPING to +6 heavy broad axe.
 30151 | D:14     | 30151 ||| SWAPPING to +9 broad axe "Kosum" {antimagic,
                  | rC+}.
 30152 | D:14     | 30152 ||| SWAPPING to +6 heavy broad axe.
 30153 | D:14     | 30153 ||| SWAPPING to +9 broad axe "Kosum" {antimagic,
                  | rC+}.
 30154 | D:14     | 30154 ||| SWAPPING to +6 heavy broad axe.
 30155 | D:14     | 30155 ||| SWAPPING to +9 broad axe "Kosum" {antimagic,
                  | rC+}.
 30156 | D:14     | 30156 ||| SWAPPING to +6 heavy broad axe.
 30157 | D:14     | 30157 ||| SWAPPING to +9 broad axe "Kosum" {antimagic,
                  | rC+}.
 30158 | D:14     | 30158 ||| SWAPPING to +6 heavy broad axe.
 30159 | D:14     | 30159 ||| SWAPPING to +9 broad axe "Kosum" {antimagic,
                  | rC+}.
 30160 | D:14     | 30160 ||| SWAPPING to +6 heavy broad axe.
 30161 | D:14     | 30161 ||| SWAPPING to +9 broad axe "Kosum" {antimagic,
                  | rC+}.
 30162 | D:14     | 30162 ||| SWAPPING to +6 heavy broad axe.
 30163 | D:14     | 30163 ||| SWAPPING to +9 broad axe "Kosum" {antimagic,
                  | rC+}.
 30164 | D:14     | 30164 ||| SWAPPING to +6 heavy broad axe.
 30165 | D:14     | 30165 ||| SWAPPING to +9 broad axe "Kosum" {antimagic,
                  | rC+}.
 30166 | D:14     | 30166 ||| SWAPPING to +6 heavy broad axe.
 30167 | D:14     | 30167 ||| SWAPPING to +9 broad axe "Kosum" {antimagic,
                  | rC+}.
 30168 | D:14     | 30168 ||| SWAPPING to +6 heavy broad axe.
 30169 | D:14     | 30169 ||| SWAPPING to +9 broad axe "Kosum" {antimagic,
                  | rC+}.
 30170 | D:14     | 30170 ||| SWAPPING to +6 heavy broad axe.
 30171 | D:14     | 30171 ||| SWAPPING to +9 broad axe "Kosum" {antimagic,
                  | rC+}.
 30172 | D:14     | 30172 ||| SWAPPING to +6 heavy broad axe.
 30173 | D:14     | 30173 ||| SWAPPING to +9 broad axe "Kosum" {antimagic,
                  | rC+}.
 30174 | D:14     | 30174 ||| SWAPPING to +6 heavy broad axe.
 30175 | D:14     | 30175 ||| SWAPPING to +9 broad axe "Kosum" {antimagic,
                  | rC+}.
 30176 | D:14     | 30176 ||| SWAPPING to +6 heavy broad axe.
 30177 | D:14     | 30177 ||| SWAPPING to +9 broad axe "Kosum" {antimagic,
                  | rC+}.
 30178 | D:14     | 30178 ||| SWAPPING to +6 heavy broad axe.
 30179 | D:14     | 30179 ||| SWAPPING to +9 broad axe "Kosum" {antimagic,
                  | rC+}.
 30180 | D:14     | 30180 ||| SWAPPING to +6 heavy broad axe.
 30181 | D:14     | 30181 ||| SWAPPING to +9 broad axe "Kosum" {antimagic,
                  | rC+}.
 30182 | D:14     | 30182 ||| SWAPPING to +6 heavy broad axe.
 30183 | D:14     | 30183 ||| SWAPPING to +9 broad axe "Kosum" {antimagic,
                  | rC+}.
 30184 | D:14     | 30184 ||| SWAPPING to +6 heavy broad axe.
 30185 | D:14     | 30185 ||| SWAPPING to +9 broad axe "Kosum" {antimagic,
                  | rC+}.
 30186 | D:14     | 30186 ||| SWAPPING to +6 heavy broad axe.
 30187 | D:14     | 30187 ||| SWAPPING to +9 broad axe "Kosum" {antimagic,
                  | rC+}.
 30188 | D:14     | 30188 ||| SWAPPING to +6 heavy broad axe.
 30189 | D:14     | 30189 ||| SWAPPING to +9 broad axe "Kosum" {antimagic,
                  | rC+}.
 30190 | D:14     | 30190 ||| SWAPPING to +6 heavy broad axe.
 30191 | D:14     | 30191 ||| SWAPPING to +9 broad axe "Kosum" {antimagic,
                  | rC+}.
 30192 | D:14     | 30192 ||| SWAPPING to +6 heavy broad axe.
 30193 | D:14     | 30193 ||| SWAPPING to +9 broad axe "Kosum" {antimagic,
                  | rC+}.
 30194 | D:14     | 30194 ||| SWAPPING to +6 heavy broad axe.
 30195 | D:14     | 30195 ||| SWAPPING to +9 broad axe "Kosum" {antimagic,
                  | rC+}.
 30196 | D:14     | 30196 ||| SWAPPING to +6 heavy broad axe.
 30197 | D:14     | 30197 ||| SWAPPING to +9 broad axe "Kosum" {antimagic,
                  | rC+}.
 30198 | D:14     | 30198 ||| SWAPPING to +6 heavy broad axe.
 30199 | D:14     | 30199 ||| SWAPPING to +9 broad axe "Kosum" {antimagic,
                  | rC+}.
 30200 | D:14     | 30200 ||| SWAPPING to +6 heavy broad axe.
 30201 | D:14     | 30201 ||| SWAPPING to +9 broad axe "Kosum" {antimagic,
                  | rC+}.
 30202 | D:14     | 30202 ||| SWAPPING to +6 heavy broad axe.
 30203 | D:14     | 30203 ||| SWAPPING to +9 broad axe "Kosum" {antimagic,
                  | rC+}.
 30204 | D:14     | 30204 ||| SWAPPING to +6 heavy broad axe.
 30205 | D:14     | 30205 ||| SWAPPING to +9 broad axe "Kosum" {antimagic,
                  | rC+}.
 30206 | D:14     | 30206 ||| SWAPPING to +6 heavy broad axe.
 30207 | D:14     | 30207 ||| SWAPPING to +9 broad axe "Kosum" {antimagic,
                  | rC+}.
 30208 | D:14     | 30208 ||| SWAPPING to +6 heavy broad axe.
 30209 | D:14     | 30209 ||| SWAPPING to +9 broad axe "Kosum" {antimagic,
                  | rC+}.
 30210 | D:14     | 30210 ||| SWAPPING to +6 heavy broad axe.
 30211 | D:14     | 30211 ||| SWAPPING to +9 broad axe "Kosum" {antimagic,
                  | rC+}.
 30212 | D:14     | 30212 ||| SWAPPING to +6 heavy broad axe.
 30213 | D:14     | 30213 ||| SWAPPING to +9 broad axe "Kosum" {antimagic,
                  | rC+}.
 30214 | D:14     | 30214 ||| SWAPPING to +6 heavy broad axe.
 30215 | D:14     | 30215 ||| SWAPPING to +9 broad axe "Kosum" {antimagic,
                  | rC+}.
 30216 | D:14     | 30216 ||| SWAPPING to +6 heavy broad axe.
 30217 | D:14     | 30217 ||| SWAPPING to +9 broad axe "Kosum" {antimagic,
                  | rC+}.
 30218 | D:14     | 30218 ||| SWAPPING to +6 heavy broad axe.
 30219 | D:14     | 30219 ||| SWAPPING to +9 broad axe "Kosum" {antimagic,
                  | rC+}.
 30220 | D:14     | 30220 ||| SWAPPING to +6 heavy broad axe.
 30221 | D:14     | 30221 ||| SWAPPING to +9 broad axe "Kosum" {antimagic,
                  | rC+}.
 30222 | D:14     | 30222 ||| SWAPPING to +6 heavy broad axe.
 30223 | D:14     | 30223 ||| SWAPPING to +9 broad axe "Kosum" {antimagic,
                  | rC+}.
 30224 | D:14     | 30224 ||| SWAPPING to +6 heavy broad axe.
 30225 | D:14     | 30225 ||| SWAPPING to +9 broad axe "Kosum" {antimagic,
                  | rC+}.
 30226 | D:14     | 30226 ||| SWAPPING to +6 heavy broad axe.
 30227 | D:14     | 30227 ||| SWAPPING to +9 broad axe "Kosum" {antimagic,
                  | rC+}.
 30228 | D:14     | 30228 ||| SWAPPING to +6 heavy broad axe.
 30229 | D:14     | 30229 ||| SWAPPING to +9 broad axe "Kosum" {antimagic,
                  | rC+}.
 30230 | D:14     | 30230 ||| SWAPPING to +6 heavy broad axe.
 30231 | D:14     | 30231 ||| SWAPPING to +9 broad axe "Kosum" {antimagic,
                  | rC+}.
 30232 | D:14     | 30232 ||| SWAPPING to +6 heavy broad axe.
 30233 | D:14     | 30233 ||| SWAPPING to +9 broad axe "Kosum" {antimagic,
                  | rC+}.
 30234 | D:14     | 30234 ||| SWAPPING to +6 heavy broad axe.
 30235 | D:14     | 30235 ||| SWAPPING to +9 broad axe "Kosum" {antimagic,
                  | rC+}.
 30236 | D:14     | 30236 ||| SWAPPING to +6 heavy broad axe.
 30237 | D:14     | 30237 ||| SWAPPING to +9 broad axe "Kosum" {antimagic,
                  | rC+}.
 30238 | D:14     | 30238 ||| SWAPPING to +6 heavy broad axe.
 30239 | D:14     | 30239 ||| SWAPPING to +9 broad axe "Kosum" {antimagic,
                  | rC+}.
 30240 | D:14     | 30240 ||| SWAPPING to +6 heavy broad axe.
 30241 | D:14     | 30241 ||| SWAPPING to +9 broad axe "Kosum" {antimagic,
                  | rC+}.
 30242 | D:14     | 30242 ||| SWAPPING to +6 heavy broad axe.
 30243 | D:14     | 30243 ||| SWAPPING to +9 broad axe "Kosum" {antimagic,
                  | rC+}.
 30244 | D:14     | 30244 ||| SWAPPING to +6 heavy broad axe.
 30245 | D:14     | 30245 ||| SWAPPING to +9 broad axe "Kosum" {antimagic,
                  | rC+}.
 30246 | D:14     | 30246 ||| SWAPPING to +6 heavy broad axe.
 30247 | D:14     | 30247 ||| SWAPPING to +9 broad axe "Kosum" {antimagic,
                  | rC+}.
 30248 | D:14     | 30248 ||| SWAPPING to +6 heavy broad axe.
 30249 | D:14     | 30249 ||| SWAPPING to +9 broad axe "Kosum" {antimagic,
                  | rC+}.
 30250 | D:14     | 30250 ||| SWAPPING to +6 heavy broad axe.
 30251 | D:14     | 30251 ||| SWAPPING to +9 broad axe "Kosum" {antimagic,
                  | rC+}.
 30252 | D:14     | 30252 ||| SWAPPING to +6 heavy broad axe.
 30253 | D:14     | 30253 ||| SWAPPING to +9 broad axe "Kosum" {antimagic,
                  | rC+}.
 30254 | D:14     | 30254 ||| SWAPPING to +6 heavy broad axe.
 30255 | D:14     | 30255 ||| SWAPPING to +9 broad axe "Kosum" {antimagic,
                  | rC+}.
 30256 | D:14     | 30256 ||| SWAPPING to +6 heavy broad axe.
 30257 | D:14     | 30257 ||| SWAPPING to +9 broad axe "Kosum" {antimagic,
                  | rC+}.
 30258 | D:14     | 30258 ||| SWAPPING to +6 heavy broad axe.
 30259 | D:14     | 30259 ||| SWAPPING to +9 broad axe "Kosum" {antimagic,
                  | rC+}.
 30260 | D:14     | 30260 ||| SWAPPING to +6 heavy broad axe.
 30261 | D:14     | 30261 ||| SWAPPING to +9 broad axe "Kosum" {antimagic,
                  | rC+}.
 30262 | D:14     | 30262 ||| SWAPPING to +6 heavy broad axe.
 30263 | D:14     | 30263 ||| SWAPPING to +9 broad axe "Kosum" {antimagic,
                  | rC+}.
 30264 | D:14     | 30264 ||| SWAPPING to +6 heavy broad axe.
 30265 | D:14     | 30265 ||| SWAPPING to +9 broad axe "Kosum" {antimagic,
                  | rC+}.
 30266 | D:14     | 30266 ||| SWAPPING to +6 heavy broad axe.
 30267 | D:14     | 30267 ||| SWAPPING to +9 broad axe "Kosum" {antimagic,
                  | rC+}.
 30268 | D:14     | 30268 ||| SWAPPING to +6 heavy broad axe.
 30269 | D:14     | 30269 ||| SWAPPING to +9 broad axe "Kosum" {antimagic,
                  | rC+}.
 30270 | D:14     | 30270 ||| SWAPPING to +6 heavy broad axe.
 30271 | D:14     | 30271 ||| SWAPPING to +9 broad axe "Kosum" {antimagic,
                  | rC+}.
 30272 | D:14     | 30272 ||| SWAPPING to +6 heavy broad axe.
 30273 | D:14     | 30273 ||| SWAPPING to +9 broad axe "Kosum" {antimagic,
                  | rC+}.
 30274 | D:14     | 30274 ||| SWAPPING to +6 heavy broad axe.
 30275 | D:14     | 30275 ||| SWAPPING to +9 broad axe "Kosum" {antimagic,
                  | rC+}.
 30276 | D:14     | 30276 ||| SWAPPING to +6 heavy broad axe.
 30277 | D:14     | 30277 ||| SWAPPING to +9 broad axe "Kosum" {antimagic,
                  | rC+}.
 30278 | D:14     | 30278 ||| SWAPPING to +6 heavy broad axe.
 30279 | D:14     | 30279 ||| SWAPPING to +9 broad axe "Kosum" {antimagic,
                  | rC+}.
 30280 | D:14     | 30280 ||| SWAPPING to +6 heavy broad axe.
 30281 | D:14     | 30281 ||| SWAPPING to +9 broad axe "Kosum" {antimagic,
                  | rC+}.
 30282 | D:14     | 30282 ||| SWAPPING to +6 heavy broad axe.
 30283 | D:14     | 30283 ||| SWAPPING to +9 broad axe "Kosum" {antimagic,
                  | rC+}.
 30284 | D:14     | 30284 ||| SWAPPING to +6 heavy broad axe.
 30285 | D:14     | 30285 ||| SWAPPING to +9 broad axe "Kosum" {antimagic,
                  | rC+}.
 30286 | D:14     | 30286 ||| SWAPPING to +6 heavy broad axe.
 30287 | D:14     | 30287 ||| SWAPPING to +9 broad axe "Kosum" {antimagic,
                  | rC+}.
 30288 | D:14     | 30288 ||| SWAPPING to +6 heavy broad axe.
 30289 | D:14     | 30289 ||| SWAPPING to +9 broad axe "Kosum" {antimagic,
                  | rC+}.
 30290 | D:14     | 30290 ||| SWAPPING to +6 heavy broad axe.
 30291 | D:14     | 30291 ||| SWAPPING to +9 broad axe "Kosum" {antimagic,
                  | rC+}.
 30292 | D:14     | 30292 ||| SWAPPING to +6 heavy broad axe.
 30293 | D:14     | 30293 ||| SWAPPING to +9 broad axe "Kosum" {antimagic,
                  | rC+}.
 30294 | D:14     | 30294 ||| SWAPPING to +6 heavy broad axe.
 30295 | D:14     | 30295 ||| SWAPPING to +9 broad axe "Kosum" {antimagic,
                  | rC+}.
 30296 | D:14     | 30296 ||| SWAPPING to +6 heavy broad axe.
 30297 | D:14     | 30297 ||| SWAPPING to +9 broad axe "Kosum" {antimagic,
                  | rC+}.
 30298 | D:14     | 30298 ||| SWAPPING to +6 heavy broad axe.
 30299 | D:14     | 30299 ||| SWAPPING to +9 broad axe "Kosum" {antimagic,
                  | rC+}.
 30300 | D:14     | 30300 ||| SWAPPING to +6 heavy broad axe.
 30301 | D:14     | 30301 ||| SWAPPING to +9 broad axe "Kosum" {antimagic,
                  | rC+}.
 30302 | D:14     | 30302 ||| SWAPPING to +6 heavy broad axe.
 30303 | D:14     | 30303 ||| SWAPPING to +9 broad axe "Kosum" {antimagic,
                  | rC+}.
 30304 | D:14     | 30304 ||| SWAPPING to +6 heavy broad axe.
 30305 | D:14     | 30305 ||| SWAPPING to +9 broad axe "Kosum" {antimagic,
                  | rC+}.
 30306 | D:14     | 30306 ||| SWAPPING to +6 heavy broad axe.
 30307 | D:14     | 30307 ||| SWAPPING to +9 broad axe "Kosum" {antimagic,
                  | rC+}.
 30308 | D:14     | 30308 ||| SWAPPING to +6 heavy broad axe.
 30309 | D:14     | 30309 ||| SWAPPING to +9 broad axe "Kosum" {antimagic,
                  | rC+}.
 30310 | D:14     | 30310 ||| SWAPPING to +6 heavy broad axe.
 30311 | D:14     | 30311 ||| SWAPPING to +9 broad axe "Kosum" {antimagic,
                  | rC+}.
 30312 | D:14     | 30312 ||| SWAPPING to +6 heavy broad axe.
 30313 | D:14     | 30313 ||| SWAPPING to +9 broad axe "Kosum" {antimagic,
                  | rC+}.
 30314 | D:14     | 30314 ||| SWAPPING to +6 heavy broad axe.
 30315 | D:14     | 30315 ||| SWAPPING to +9 broad axe "Kosum" {antimagic,
                  | rC+}.
 30316 | D:14     | 30316 ||| SWAPPING to +6 heavy broad axe.
 30317 | D:14     | 30317 ||| SWAPPING to +9 broad axe "Kosum" {antimagic,
                  | rC+}.
 30318 | D:14     | 30318 ||| SWAPPING to +6 heavy broad axe.
 30319 | D:14     | 30319 ||| SWAPPING to +9 broad axe "Kosum" {antimagic,
                  | rC+}.
 30320 | D:14     | 30320 ||| SWAPPING to +6 heavy broad axe.
 30321 | D:14     | 30321 ||| SWAPPING to +9 broad axe "Kosum" {antimagic,
                  | rC+}.
 30322 | D:14     | 30322 ||| SWAPPING to +6 heavy broad axe.
 30323 | D:14     | 30323 ||| SWAPPING to +9 broad axe "Kosum" {antimagic,
                  | rC+}.
 30324 | D:14     | 30324 ||| SWAPPING to +6 heavy broad axe.
 30325 | D:14     | 30325 ||| SWAPPING to +9 broad axe "Kosum" {antimagic,
                  | rC+}.
 30326 | D:14     | 30326 ||| SWAPPING to +6 heavy broad axe.
 30327 | D:14     | 30327 ||| SWAPPING to +9 broad axe "Kosum" {antimagic,
                  | rC+}.
 30328 | D:14     | 30328 ||| SWAPPING to +6 heavy broad axe.
 30329 | D:14     | 30329 ||| SWAPPING to +9 broad axe "Kosum" {antimagic,
                  | rC+}.
 30330 | D:14     | 30330 ||| SWAPPING to +6 heavy broad axe.
 30331 | D:14     | 30331 ||| SWAPPING to +9 broad axe "Kosum" {antimagic,
                  | rC+}.
 30332 | D:14     | 30332 ||| SWAPPING to +6 heavy broad axe.
 30333 | D:14     | 30333 ||| SWAPPING to +9 broad axe "Kosum" {antimagic,
                  | rC+}.
 30334 | D:14     | 30334 ||| SWAPPING to +6 heavy broad axe.
 30335 | D:14     | 30335 ||| SWAPPING to +9 broad axe "Kosum" {antimagic,
                  | rC+}.
 30336 | D:14     | 30336 ||| SWAPPING to +6 heavy broad axe.
 30337 | D:14     | 30337 ||| SWAPPING to +9 broad axe "Kosum" {antimagic,
                  | rC+}.
 30338 | D:14     | 30338 ||| SWAPPING to +6 heavy broad axe.
 30339 | D:14     | 30339 ||| SWAPPING to +9 broad axe "Kosum" {antimagic,
                  | rC+}.
 30340 | D:14     | 30340 ||| SWAPPING to +6 heavy broad axe.
 30341 | D:14     | 30341 ||| SWAPPING to +9 broad axe "Kosum" {antimagic,
                  | rC+}.
 30342 | D:14     | 30342 ||| SWAPPING to +6 heavy broad axe.
 30343 | D:14     | 30343 ||| SWAPPING to +9 broad axe "Kosum" {antimagic,
                  | rC+}.
 30344 | D:14     | 30344 ||| SWAPPING to +6 heavy broad axe.
 30345 | D:14     | 30345 ||| SWAPPING to +9 broad axe "Kosum" {antimagic,
                  | rC+}.
 30346 | D:14     | 30346 ||| SWAPPING to +6 heavy broad axe.
 30347 | D:14     | 30347 ||| SWAPPING to +9 broad axe "Kosum" {antimagic,
                  | rC+}.
 30348 | D:14     | 30348 ||| SWAPPING to +6 heavy broad axe.
 30349 | D:14     | 30349 ||| SWAPPING to +9 broad axe "Kosum" {antimagic,
                  | rC+}.
 30350 | D:14     | 30350 ||| SWAPPING to +6 heavy broad axe.
 30351 | D:14     | 30351 ||| SWAPPING to +9 broad axe "Kosum" {antimagic,
                  | rC+}.
 30352 | D:14     | 30352 ||| SWAPPING to +6 heavy broad axe.
 30353 | D:14     | 30353 ||| SWAPPING to +9 broad axe "Kosum" {antimagic,
                  | rC+}.
 30354 | D:14     | 30354 ||| SWAPPING to +6 heavy broad axe.
 30355 | D:14     | 30355 ||| SWAPPING to +9 broad axe "Kosum" {antimagic,
                  | rC+}.
 30356 | D:14     | 30356 ||| SWAPPING to +6 heavy broad axe.
 30357 | D:14     | 30357 ||| SWAPPING to +9 broad axe "Kosum" {antimagic,
                  | rC+}.
 30358 | D:14     | 30358 ||| SWAPPING to +6 heavy broad axe.
 30359 | D:14     | 30359 ||| SWAPPING to +9 broad axe "Kosum" {antimagic,
                  | rC+}.
 30360 | D:14     | 30360 ||| SWAPPING to +6 heavy broad axe.
 30361 | D:14     | 30361 ||| SWAPPING to +9 broad axe "Kosum" {antimagic,
                  | rC+}.
 30362 | D:14     | 30362 ||| SWAPPING to +6 heavy broad axe.
 30363 | D:14     | 30363 ||| SWAPPING to +9 broad axe "Kosum" {antimagic,
                  | rC+}.
 30364 | D:14     | 30364 ||| SWAPPING to +6 heavy broad axe.
 30365 | D:14     | 30365 ||| SWAPPING to +9 broad axe "Kosum" {antimagic,
                  | rC+}.
 30366 | D:14     | 30366 ||| SWAPPING to +6 heavy broad axe.
 30367 | D:14     | 30367 ||| SWAPPING to +9 broad axe "Kosum" {antimagic,
                  | rC+}.
 30368 | D:14     | 30368 ||| SWAPPING to +6 heavy broad axe.
 30369 | D:14     | 30369 ||| SWAPPING to +9 broad axe "Kosum" {antimagic,
                  | rC+}.
 30370 | D:14     | 30370 ||| SWAPPING to +6 heavy broad axe.
 30371 | D:14     | 30371 ||| SWAPPING to +9 broad axe "Kosum" {antimagic,
                  | rC+}.
 30372 | D:14     | 30372 ||| SWAPPING to +6 heavy broad axe.
 30373 | D:14     | 30373 ||| SWAPPING to +9 broad axe "Kosum" {antimagic,
                  | rC+}.
 30374 | D:14     | 30374 ||| SWAPPING to +6 heavy broad axe.
 30375 | D:14     | 30375 ||| SWAPPING to +9 broad axe "Kosum" {antimagic,
                  | rC+}.
 30376 | D:14     | 30376 ||| SWAPPING to +6 heavy broad axe.
 30377 | D:14     | 30377 ||| SWAPPING to +9 broad axe "Kosum" {antimagic,
                  | rC+}.
 30378 | D:14     | 30378 ||| SWAPPING to +6 heavy broad axe.
 30379 | D:14     | 30379 ||| SWAPPING to +9 broad axe "Kosum" {antimagic,
                  | rC+}.
 30380 | D:14     | 30380 ||| SWAPPING to +6 heavy broad axe.
 30381 | D:14     | 30381 ||| SWAPPING to +9 broad axe "Kosum" {antimagic,
                  | rC+}.
 30382 | D:14     | 30382 ||| SWAPPING to +6 heavy broad axe.
 30383 | D:14     | 30383 ||| SWAPPING to +9 broad axe "Kosum" {antimagic,
                  | rC+}.
 30384 | D:14     | 30384 ||| SWAPPING to +6 heavy broad axe.
 30385 | D:14     | 30385 ||| SWAPPING to +9 broad axe "Kosum" {antimagic,
                  | rC+}.
 30386 | D:14     | 30386 ||| SWAPPING to +6 heavy broad axe.
 30387 | D:14     | 30387 ||| SWAPPING to +9 broad axe "Kosum" {antimagic,
                  | rC+}.
 30388 | D:14     | 30388 ||| SWAPPING to +6 heavy broad axe.
 30389 | D:14     | 30389 ||| SWAPPING to +9 broad axe "Kosum" {antimagic,
                  | rC+}.
 30390 | D:14     | 30390 ||| SWAPPING to +6 heavy broad axe.
 30391 | D:14     | 30391 ||| SWAPPING to +9 broad axe "Kosum" {antimagic,
                  | rC+}.
 30392 | D:14     | 30392 ||| SWAPPING to +6 heavy broad axe.
 30393 | D:14     | 30393 ||| SWAPPING to +9 broad axe "Kosum" {antimagic,
                  | rC+}.
 30394 | D:14     | 30394 ||| SWAPPING to +6 heavy broad axe.
 30395 | D:14     | 30395 ||| SWAPPING to +9 broad axe "Kosum" {antimagic,
                  | rC+}.
 30396 | D:14     | 30396 ||| SWAPPING to +6 heavy broad axe.
 30397 | D:14     | 30397 ||| SWAPPING to +9 broad axe "Kosum" {antimagic,
                  | rC+}.
 30398 | D:14     | 30398 ||| SWAPPING to +6 heavy broad axe.
 30399 | D:14     | 30399 ||| SWAPPING to +9 broad axe "Kosum" {antimagic,
                  | rC+}.
 30400 | D:14     | 30400 ||| SWAPPING to +6 heavy broad axe.
 30401 | D:14     | 30401 ||| SWAPPING to +9 broad axe "Kosum" {antimagic,
                  | rC+}.
 30402 | D:14     | 30402 ||| SWAPPING to +6 heavy broad axe.
 30403 | D:14     | 30403 ||| SWAPPING to +9 broad axe "Kosum" {antimagic,
                  | rC+}.
 30404 | D:14     | 30404 ||| SWAPPING to +6 heavy broad axe.
 30405 | D:14     | 30405 ||| SWAPPING to +9 broad axe "Kosum" {antimagic,
                  | rC+}.
 30406 | D:14     | 30406 ||| SWAPPING to +6 heavy broad axe.
 30407 | D:14     | 30407 ||| SWAPPING to +9 broad axe "Kosum" {antimagic,
                  | rC+}.
 30408 | D:14     | 30408 ||| SWAPPING to +6 heavy broad axe.
 30409 | D:14     | 30409 ||| SWAPPING to +9 broad axe "Kosum" {antimagic,
                  | rC+}.
 30410 | D:14     | 30410 ||| SWAPPING to +6 heavy broad axe.
 30411 | D:14     | 30411 ||| SWAPPING to +9 broad axe "Kosum" {antimagic,
                  | rC+}.
 30412 | D:14     | 30412 ||| SWAPPING to +6 heavy broad axe.
 30413 | D:14     | 30413 ||| SWAPPING to +9 broad axe "Kosum" {antimagic,
                  | rC+}.
 30414 | D:14     | 30414 ||| SWAPPING to +6 heavy broad axe.
 30415 | D:14     | 30415 ||| SWAPPING to +9 broad axe "Kosum" {antimagic,
                  | rC+}.
 30416 | D:14     | 30416 ||| SWAPPING to +6 heavy broad axe.
 30417 | D:14     | 30417 ||| SWAPPING to +9 broad axe "Kosum" {antimagic,
                  | rC+}.
 30418 | D:14     | 30418 ||| SWAPPING to +6 heavy broad axe.
 30419 | D:14     | 30419 ||| SWAPPING to +9 broad axe "Kosum" {antimagic,
                  | rC+}.
 30420 | D:14     | 30420 ||| SWAPPING to +6 heavy broad axe.
 30421 | D:14     | 30421 ||| SWAPPING to +9 broad axe "Kosum" {antimagic,
                  | rC+}.
 30422 | D:14     | 30422 ||| SWAPPING to +6 heavy broad axe.
 30423 | D:14     | 30423 ||| SWAPPING to +9 broad axe "Kosum" {antimagic,
                  | rC+}.
 30424 | D:14     | 30424 ||| SWAPPING to +6 heavy broad axe.
 30425 | D:14     | 30425 ||| SWAPPING to +9 broad axe "Kosum" {antimagic,
                  | rC+}.
 30426 | D:14     | 30426 ||| SWAPPING to +6 heavy broad axe.
 30427 | D:14     | 30427 ||| SWAPPING to +9 broad axe "Kosum" {antimagic,
                  | rC+}.
 30428 | D:14     | 30428 ||| SWAPPING to +6 heavy broad axe.
 30429 | D:14     | 30429 ||| SWAPPING to +9 broad axe "Kosum" {antimagic,
                  | rC+}.
 30430 | D:14     | 30430 ||| SWAPPING to +6 heavy broad axe.
 30431 | D:14     | 30431 ||| SWAPPING to +9 broad axe "Kosum" {antimagic,
                  | rC+}.
 30432 | D:14     | 30432 ||| SWAPPING to +6 heavy broad axe.
 30433 | D:14     | 30433 ||| SWAPPING to +9 broad axe "Kosum" {antimagic,
                  | rC+}.
 30434 | D:14     | 30434 ||| SWAPPING to +6 heavy broad axe.
 30435 | D:14     | 30435 ||| SWAPPING to +9 broad axe "Kosum" {antimagic,
                  | rC+}.
 30436 | D:14     | 30436 ||| SWAPPING to +6 heavy broad axe.
 30437 | D:14     | 30437 ||| SWAPPING to +9 broad axe "Kosum" {antimagic,
                  | rC+}.
 30438 | D:14     | 30438 ||| SWAPPING to +6 heavy broad axe.
 30439 | D:14     | 30439 ||| SWAPPING to +9 broad axe "Kosum" {antimagic,
                  | rC+}.
 30440 | D:14     | 30440 ||| SWAPPING to +6 heavy broad axe.
 30441 | D:14     | 30441 ||| SWAPPING to +9 broad axe "Kosum" {antimagic,
                  | rC+}.
 30442 | D:14     | 30442 ||| SWAPPING to +6 heavy broad axe.
 30443 | D:14     | 30443 ||| SWAPPING to +9 broad axe "Kosum" {antimagic,
                  | rC+}.
 30444 | D:14     | 30444 ||| SWAPPING to +6 heavy broad axe.
 30445 | D:14     | 30445 ||| SWAPPING to +9 broad axe "Kosum" {antimagic,
                  | rC+}.
 30446 | D:14     | 30446 ||| SWAPPING to +6 heavy broad axe.
 30447 | D:14     | 30447 ||| SWAPPING to +9 broad axe "Kosum" {antimagic,
                  | rC+}.
 30448 | D:14     | 30448 ||| SWAPPING to +6 heavy broad axe.
 30449 | D:14     | 30449 ||| SWAPPING to +9 broad axe "Kosum" {antimagic,
                  | rC+}.
 30450 | D:14     | 30450 ||| SWAPPING to +6 heavy broad axe.
 30451 | D:14     | 30451 ||| SWAPPING to +9 broad axe "Kosum" {antimagic,
                  | rC+}.
 30452 | D:14     | 30452 ||| SWAPPING to +6 heavy broad axe.
 30453 | D:14     | 30453 ||| SWAPPING to +9 broad axe "Kosum" {antimagic,
                  | rC+}.
 30454 | D:14     | 30454 ||| SWAPPING to +6 heavy broad axe.
 30455 | D:14     | 30455 ||| SWAPPING to +9 broad axe "Kosum" {antimagic,
                  | rC+}.
 30456 | D:14     | 30456 ||| SWAPPING to +6 heavy broad axe.
 30457 | D:14     | 30457 ||| SWAPPING to +9 broad axe "Kosum" {antimagic,
                  | rC+}.
 30458 | D:14     | 30458 ||| SWAPPING to +6 heavy broad axe.
 30459 | D:14     | 30459 ||| SWAPPING to +9 broad axe "Kosum" {antimagic,
                  | rC+}.
 30460 | D:14     | 30460 ||| SWAPPING to +6 heavy broad axe.
 30461 | D:14     | 30461 ||| SWAPPING to +9 broad axe "Kosum" {antimagic,
                  | rC+}.
 30462 | D:14     | 30462 ||| SWAPPING to +6 heavy broad axe.
 30463 | D:14     | 30463 ||| SWAPPING to +9 broad axe "Kosum" {antimagic,
                  | rC+}.
 30464 | D:14     | 30464 ||| SWAPPING to +6 heavy broad axe.
 30465 | D:14     | 30465 ||| SWAPPING to +9 broad axe "Kosum" {antimagic,
                  | rC+}.
 30466 | D:14     | 30466 ||| SWAPPING to +6 heavy broad axe.
 30467 | D:14     | 30467 ||| SWAPPING to +9 broad axe "Kosum" {antimagic,
                  | rC+}.
 30468 | D:14     | 30468 ||| SWAPPING to +6 heavy broad axe.
 30469 | D:14     | 30469 ||| SWAPPING to +9 broad axe "Kosum" {antimagic,
                  | rC+}.
 30470 | D:14     | 30470 ||| SWAPPING to +6 heavy broad axe.
 30471 | D:14     | 30471 ||| SWAPPING to +9 broad axe "Kosum" {antimagic,
                  | rC+}.
 30472 | D:14     | 30472 ||| SWAPPING to +6 heavy broad axe.
 30473 | D:14     | 30473 ||| SWAPPING to +9 broad axe "Kosum" {antimagic,
                  | rC+}.
 30474 | D:14     | 30474 ||| SWAPPING to +6 heavy broad axe.
 30475 | D:14     | 30475 ||| SWAPPING to +9 broad axe "Kosum" {antimagic,
                  | rC+}.
 30476 | D:14     | 30476 ||| SWAPPING to +6 heavy broad axe.
 30477 | D:14     | 30477 ||| SWAPPING to +9 broad axe "Kosum" {antimagic,
                  | rC+}.
 30478 | D:14     | 30478 ||| SWAPPING to +6 heavy broad axe.
 30479 | D:14     | 30479 ||| SWAPPING to +9 broad axe "Kosum" {antimagic,
                  | rC+}.
 30480 | D:14     | 30480 ||| SWAPPING to +6 heavy broad axe.
 30481 | D:14     | 30481 ||| SWAPPING to +9 broad axe "Kosum" {antimagic,
                  | rC+}.
 30482 | D:14     | 30482 ||| SWAPPING to +6 heavy broad axe.
 30483 | D:14     | 30483 ||| SWAPPING to +9 broad axe "Kosum" {antimagic,
                  | rC+}.
 30484 | D:14     | 30484 ||| SWAPPING to +6 heavy broad axe.
 30485 | D:14     | 30485 ||| SWAPPING to +9 broad axe "Kosum" {antimagic,
                  | rC+}.
 30486 | D:14     | 30486 ||| SWAPPING to +6 heavy broad axe.
 30487 | D:14     | 30487 ||| SWAPPING to +9 broad axe "Kosum" {antimagic,
                  | rC+}.
 30488 | D:14     | 30488 ||| SWAPPING to +6 heavy broad axe.
 30489 | D:14     | 30489 ||| SWAPPING to +9 broad axe "Kosum" {antimagic,
                  | rC+}.
 30490 | D:14     | 30490 ||| SWAPPING to +6 heavy broad axe.
 30491 | D:14     | 30491 ||| SWAPPING to +9 broad axe "Kosum" {antimagic,
                  | rC+}.
 30492 | D:14     | 30492 ||| SWAPPING to +6 heavy broad axe.
 30493 | D:14     | 30493 ||| SWAPPING to +9 broad axe "Kosum" {antimagic,
                  | rC+}.
 30494 | D:14     | 30494 ||| SWAPPING to +6 heavy broad axe.
 30495 | D:14     | 30495 ||| SWAPPING to +9 broad axe "Kosum" {antimagic,
                  | rC+}.
 30496 | D:14     | 30496 ||| SWAPPING to +6 heavy broad axe.
 30497 | D:14     | 30497 ||| SWAPPING to +9 broad axe "Kosum" {antimagic,
                  | rC+}.
 30498 | D:14     | 30498 ||| SWAPPING to +6 heavy broad axe.
 30499 | D:14     | 30499 ||| SWAPPING to +9 broad axe "Kosum" {antimagic,
                  | rC+}.
 30500 | D:14     | 30500 ||| SWAPPING to +6 heavy broad axe.
 30501 | D:14     | 30501 ||| SWAPPING to +9 broad axe "Kosum" {antimagic,
                  | rC+}.
 30502 | D:14     | 30502 ||| SWAPPING to +6 heavy broad axe.
 30503 | D:14     | 30503 ||| SWAPPING to +9 broad axe "Kosum" {antimagic,
                  | rC+}.
 30504 | D:14     | 30504 ||| SWAPPING to +6 heavy broad axe.
 30505 | D:14     | 30505 ||| SWAPPING to +9 broad axe "Kosum" {antimagic,
                  | rC+}.
 30506 | D:14     | 30506 ||| SWAPPING to +6 heavy broad axe.
 30507 | D:14     | 30507 ||| SWAPPING to +9 broad axe "Kosum" {antimagic,
                  | rC+}.
 30508 | D:14     | 30508 ||| SWAPPING to +6 heavy broad axe.
 30509 | D:14     | 30509 ||| SWAPPING to +9 broad axe "Kosum" {antimagic,
                  | rC+}.
 30510 | D:14     | 30510 ||| SWAPPING to +6 heavy broad axe.
 30511 | D:14     | 30511 ||| SWAPPING to +9 broad axe "Kosum" {antimagic,
                  | rC+}.
 30512 | D:14     | 30512 ||| SWAPPING to +6 heavy broad axe.
 30513 | D:14     | 30513 ||| SWAPPING to +9 broad axe "Kosum" {antimagic,
                  | rC+}.
 30514 | D:14     | 30514 ||| SWAPPING to +6 heavy broad axe.
 30515 | D:14     | 30515 ||| SWAPPING to +9 broad axe "Kosum" {antimagic,
                  | rC+}.
 30516 | D:14     | 30516 ||| SWAPPING to +6 heavy broad axe.
 30517 | D:14     | 30517 ||| SWAPPING to +9 broad axe "Kosum" {antimagic,
                  | rC+}.
 30518 | D:14     | 30518 ||| SWAPPING to +6 heavy broad axe.
 30519 | D:14     | 30519 ||| SWAPPING to +9 broad axe "Kosum" {antimagic,
                  | rC+}.
 30520 | D:14     | 30520 ||| SWAPPING to +6 heavy broad axe.
 30521 | D:14     | 30521 ||| SWAPPING to +9 broad axe "Kosum" {antimagic,
                  | rC+}.
 30522 | D:14     | 30522 ||| SWAPPING to +6 heavy broad axe.
 30523 | D:14     | 30523 ||| SWAPPING to +9 broad axe "Kosum" {antimagic,
                  | rC+}.
 30524 | D:14     | 30524 ||| SWAPPING to +6 heavy broad axe.
 30525 | D:14     | 30525 ||| SWAPPING to +9 broad axe "Kosum" {antimagic,
                  | rC+}.
 30526 | D:14     | 30526 ||| SWAPPING to +6 heavy broad axe.
 30527 | D:14     | 30527 ||| SWAPPING to +9 broad axe "Kosum" {antimagic,
                  | rC+}.
 30528 | D:14     | 30528 ||| SWAPPING to +6 heavy broad axe.
 30529 | D:14     | 30529 ||| SWAPPING to +9 broad axe "Kosum" {antimagic,
                  | rC+}.
 30530 | D:14     | 30530 ||| SWAPPING to +6 heavy broad axe.
 30531 | D:14     | 30531 ||| SWAPPING to +9 broad axe "Kosum" {antimagic,
                  | rC+}.
 30532 | D:14     | 30532 ||| SWAPPING to +6 heavy broad axe.
 30533 | D:14     | 30533 ||| SWAPPING to +9 broad axe "Kosum" {antimagic,
                  | rC+}.
 30534 | D:14     | 30534 ||| SWAPPING to +6 heavy broad axe.
 30535 | D:14     | 30535 ||| SWAPPING to +9 broad axe "Kosum" {antimagic,
                  | rC+}.
 30536 | D:14     | 30536 ||| SWAPPING to +6 heavy broad axe.
 30537 | D:14     | 30537 ||| SWAPPING to +9 broad axe "Kosum" {antimagic,
                  | rC+}.
 30538 | D:14     | 30538 ||| SWAPPING to +6 heavy broad axe.
 30539 | D:14     | 30539 ||| SWAPPING to +9 broad axe "Kosum" {antimagic,
                  | rC+}.
 30540 | D:14     | 30540 ||| SWAPPING to +6 heavy broad axe.
 30541 | D:14     | 30541 ||| SWAPPING to +9 broad axe "Kosum" {antimagic,
                  | rC+}.
 30542 | D:14     | 30542 ||| SWAPPING to +6 heavy broad axe.
 30543 | D:14     | 30543 ||| SWAPPING to +9 broad axe "Kosum" {antimagic,
                  | rC+}.
 30544 | D:14     | 30544 ||| SWAPPING to +6 heavy broad axe.
 30545 | D:14     | 30545 ||| SWAPPING to +9 broad axe "Kosum" {antimagic,
                  | rC+}.
 30546 | D:14     | 30546 ||| SWAPPING to +6 heavy broad axe.
 30547 | D:14     | 30547 ||| SWAPPING to +9 broad axe "Kosum" {antimagic,
                  | rC+}.
 30548 | D:14     | 30548 ||| SWAPPING to +6 heavy broad axe.
 30549 | D:14     | 30549 ||| SWAPPING to +9 broad axe "Kosum" {antimagic,
                  | rC+}.
 30550 | D:14     | 30550 ||| SWAPPING to +6 heavy broad axe.
 30551 | D:14     | 30551 ||| SWAPPING to +9 broad axe "Kosum" {antimagic,
                  | rC+}.
 30552 | D:14     | 30552 ||| SWAPPING to +6 heavy broad axe.
 30553 | D:14     | 30553 ||| SWAPPING to +9 broad axe "Kosum" {antimagic,
                  | rC+}.
 30554 | D:14     | 30554 ||| SWAPPING to +6 heavy broad axe.
 30555 | D:14     | 30555 ||| SWAPPING to +9 broad axe "Kosum" {antimagic,
                  | rC+}.
 30556 | D:14     | 30556 ||| SWAPPING to +6 heavy broad axe.
 30557 | D:14     | 30557 ||| SWAPPING to +9 broad axe "Kosum" {antimagic,
                  | rC+}.
 30558 | D:14     | 30558 ||| SWAPPING to +6 heavy broad axe.
 30559 | D:14     | 30559 ||| SWAPPING to +9 broad axe "Kosum" {antimagic,
                  | rC+}.
 30560 | D:14     | 30560 ||| SWAPPING to +6 heavy broad axe.
 30561 | D:14     | 30561 ||| SWAPPING to +9 broad axe "Kosum" {antimagic,
                  | rC+}.
 30562 | D:14     | 30562 ||| SWAPPING to +6 heavy broad axe.
 30563 | D:14     | 30563 ||| SWAPPING to +9 broad axe "Kosum" {antimagic,
                  | rC+}.
 30564 | D:14     | 30564 ||| SWAPPING to +6 heavy broad axe.
 30565 | D:14     | 30565 ||| SWAPPING to +9 broad axe "Kosum" {antimagic,
                  | rC+}.
 30566 | D:14     | 30566 ||| SWAPPING to +6 heavy broad axe.
 30567 | D:14     | 30567 ||| SWAPPING to +9 broad axe "Kosum" {antimagic,
                  | rC+}.
 30568 | D:14     | 30568 ||| SWAPPING to +6 heavy broad axe.
 30569 | D:14     | 30569 ||| SWAPPING to +9 broad axe "Kosum" {antimagic,
                  | rC+}.
 30570 | D:14     | 30570 ||| SWAPPING to +6 heavy broad axe.
 30571 | D:14     | 30571 ||| SWAPPING to +9 broad axe "Kosum" {antimagic,
                  | rC+}.
 30572 | D:14     | 30572 ||| SWAPPING to +6 heavy broad axe.
 30573 | D:14     | 30573 ||| SWAPPING to +9 broad axe "Kosum" {antimagic,
                  | rC+}.
 30574 | D:14     | 30574 ||| SWAPPING to +6 heavy broad axe.
 30575 | D:14     | 30575 ||| SWAPPING to +9 broad axe "Kosum" {antimagic,
                  | rC+}.
 30576 | D:14     | 30576 ||| SWAPPING to +6 heavy broad axe.
 30577 | D:14     | 30577 ||| SWAPPING to +9 broad axe "Kosum" {antimagic,
                  | rC+}.
 30578 | D:14     | 30578 ||| SWAPPING to +6 heavy broad axe.
 30579 | D:14     | 30579 ||| SWAPPING to +9 broad axe "Kosum" {antimagic,
                  | rC+}.
 30580 | D:14     | 30580 ||| SWAPPING to +6 heavy broad axe.
 30581 | D:14     | 30581 ||| SWAPPING to +9 broad axe "Kosum" {antimagic,
                  | rC+}.
 30582 | D:14     | 30582 ||| SWAPPING to +6 heavy broad axe.
 30583 | D:14     | 30583 ||| SWAPPING to +9 broad axe "Kosum" {antimagic,
                  | rC+}.
 30584 | D:14     | 30584 ||| SWAPPING to +6 heavy broad axe.
 30585 | D:14     | 30585 ||| SWAPPING to +9 broad axe "Kosum" {antimagic,
                  | rC+}.
 30586 | D:14     | 30586 ||| SWAPPING to +6 heavy broad axe.
 30587 | D:14     | 30587 ||| SWAPPING to +9 broad axe "Kosum" {antimagic,
                  | rC+}.
 30588 | D:14     | 30588 ||| SWAPPING to +6 heavy broad axe.
 30589 | D:14     | 30589 ||| SWAPPING to +9 broad axe "Kosum" {antimagic,
                  | rC+}.
 30590 | D:14     | 30590 ||| SWAPPING to +6 heavy broad axe.
 30591 | D:14     | 30591 ||| SWAPPING to +9 broad axe "Kosum" {antimagic,
                  | rC+}.
 30592 | D:14     | 30592 ||| SWAPPING to +6 heavy broad axe.
 30593 | D:14     | 30593 ||| SWAPPING to +9 broad axe "Kosum" {antimagic,
                  | rC+}.
 30594 | D:14     | 30594 ||| SWAPPING to +6 heavy broad axe.
 30595 | D:14     | 30595 ||| SWAPPING to +9 broad axe "Kosum" {antimagic,
                  | rC+}.
 30596 | D:14     | 30596 ||| SWAPPING to +6 heavy broad axe.
 30597 | D:14     | 30597 ||| SWAPPING to +9 broad axe "Kosum" {antimagic,
                  | rC+}.
 30598 | D:14     | 30598 ||| SWAPPING to +6 heavy broad axe.
 30599 | D:14     | 30599 ||| SWAPPING to +9 broad axe "Kosum" {antimagic,
                  | rC+}.
 30600 | D:14     | 30600 ||| SWAPPING to +6 heavy broad axe.
 30601 | D:14     | 30601 ||| SWAPPING to +9 broad axe "Kosum" {antimagic,
                  | rC+}.
 30602 | D:14     | 30602 ||| SWAPPING to +6 heavy broad axe.
 30603 | D:14     | 30603 ||| SWAPPING to +9 broad axe "Kosum" {antimagic,
                  | rC+}.
 30604 | D:14     | 30604 ||| SWAPPING to +6 heavy broad axe.
 30605 | D:14     | 30605 ||| SWAPPING to +9 broad axe "Kosum" {antimagic,
                  | rC+}.
 30606 | D:14     | 30606 ||| SWAPPING to +6 heavy broad axe.
 30607 | D:14     | 30607 ||| SWAPPING to +9 broad axe "Kosum" {antimagic,
                  | rC+}.
 30608 | D:14     | 30608 ||| SWAPPING to +6 heavy broad axe.
 30609 | D:14     | 30609 ||| SWAPPING to +9 broad axe "Kosum" {antimagic,
                  | rC+}.
 30610 | D:14     | 30610 ||| SWAPPING to +6 heavy broad axe.
 30611 | D:14     | 30611 ||| SWAPPING to +9 broad axe "Kosum" {antimagic,
                  | rC+}.
 30612 | D:14     | 30612 ||| SWAPPING to +6 heavy broad axe.
 30613 | D:14     | 30613 ||| SWAPPING to +9 broad axe "Kosum" {antimagic,
                  | rC+}.
 30614 | D:14     | 30614 ||| SWAPPING to +6 heavy broad axe.
 30615 | D:14     | 30615 ||| SWAPPING to +9 broad axe "Kosum" {antimagic,
                  | rC+}.
 30616 | D:14     | 30616 ||| SWAPPING to +6 heavy broad axe.
 30617 | D:14     | 30617 ||| SWAPPING to +9 broad axe "Kosum" {antimagic,
                  | rC+}.
 30618 | D:14     | 30618 ||| SWAPPING to +6 heavy broad axe.
 30619 | D:14     | 30619 ||| SWAPPING to +9 broad axe "Kosum" {antimagic,
                  | rC+}.
 30620 | D:14     | 30620 ||| SWAPPING to +6 heavy broad axe.
 30621 | D:14     | 30621 ||| SWAPPING to +9 broad axe "Kosum" {antimagic,
                  | rC+}.
 30622 | D:14     | 30622 ||| SWAPPING to +6 heavy broad axe.
 30623 | D:14     | 30623 ||| SWAPPING to +9 broad axe "Kosum" {antimagic,
                  | rC+}.
 30624 | D:14     | 30624 ||| SWAPPING to +6 heavy broad axe.
 30625 | D:14     | 30625 ||| SWAPPING to +9 broad axe "Kosum" {antimagic,
                  | rC+}.
 30626 | D:14     | 30626 ||| SWAPPING to +6 heavy broad axe.
 30627 | D:14     | 30627 ||| SWAPPING to +9 broad axe "Kosum" {antimagic,
                  | rC+}.
 30628 | D:14     | 30628 ||| SWAPPING to +6 heavy broad axe.
 30629 | D:14     | 30629 ||| SWAPPING to +9 broad axe "Kosum" {antimagic,
                  | rC+}.
 30630 | D:14     | 30630 ||| SWAPPING to +6 heavy broad axe.
 30631 | D:14     | 30631 ||| SWAPPING to +9 broad axe "Kosum" {antimagic,
                  | rC+}.
 30632 | D:14     | 30632 ||| SWAPPING to +6 heavy broad axe.
 30633 | D:14     | 30633 ||| SWAPPING to +9 broad axe "Kosum" {antimagic,
                  | rC+}.
 30634 | D:14     | 30634 ||| SWAPPING to +6 heavy broad axe.
 30635 | D:14     | 30635 ||| SWAPPING to +9 broad axe "Kosum" {antimagic,
                  | rC+}.
 30636 | D:14     | 30636 ||| SWAPPING to +6 heavy broad axe.
 30637 | D:14     | 30637 ||| SWAPPING to +9 broad axe "Kosum" {antimagic,
                  | rC+}.
 30638 | D:14     | 30638 ||| SWAPPING to +6 heavy broad axe.
 30639 | D:14     | 30639 ||| SWAPPING to +9 broad axe "Kosum" {antimagic,
                  | rC+}.
 30640 | D:14     | 30640 ||| SWAPPING to +6 heavy broad axe.
 30641 | D:14     | 30641 ||| SWAPPING to +9 broad axe "Kosum" {antimagic,
                  | rC+}.
 30642 | D:14     | 30642 ||| SWAPPING to +6 heavy broad axe.
 30643 | D:14     | 30643 ||| SWAPPING to +9 broad axe "Kosum" {antimagic,
                  | rC+}.
 30644 | D:14     | 30644 ||| SWAPPING to +6 heavy broad axe.
 30645 | D:14     | 30645 ||| SWAPPING to +9 broad axe "Kosum" {antimagic,
                  | rC+}.
 30646 | D:14     | 30646 ||| SWAPPING to +6 heavy broad axe.
 30647 | D:14     | 30647 ||| SWAPPING to +9 broad axe "Kosum" {antimagic,
                  | rC+}.
 30648 | D:14     | 30648 ||| SWAPPING to +6 heavy broad axe.
 30649 | D:14     | 30649 ||| SWAPPING to +9 broad axe "Kosum" {antimagic,
                  | rC+}.
 30650 | D:14     | 30650 ||| SWAPPING to +6 heavy broad axe.
 30651 | D:14     | 30651 ||| SWAPPING to +9 broad axe "Kosum" {antimagic,
                  | rC+}.
 30652 | D:14     | 30652 ||| SWAPPING to +6 heavy broad axe.
 30653 | D:14     | 30653 ||| SWAPPING to +9 broad axe "Kosum" {antimagic,
                  | rC+}.
 30654 | D:14     | 30654 ||| SWAPPING to +6 heavy broad axe.
 30655 | D:14     | 30655 ||| SWAPPING to +9 broad axe "Kosum" {antimagic,
                  | rC+}.
 30656 | D:14     | 30656 ||| SWAPPING to +6 heavy broad axe.
 30657 | D:14     | 30657 ||| SWAPPING to +9 broad axe "Kosum" {antimagic,
                  | rC+}.
 30658 | D:14     | 30658 ||| SWAPPING to +6 heavy broad axe.
 30659 | D:14     | 30659 ||| SWAPPING to +9 broad axe "Kosum" {antimagic,
                  | rC+}.
 30660 | D:14     | 30660 ||| SWAPPING to +6 heavy broad axe.
 30661 | D:14     | 30661 ||| SWAPPING to +9 broad axe "Kosum" {antimagic,
                  | rC+}.
 30662 | D:14     | 30662 ||| SWAPPING to +6 heavy broad axe.
 30663 | D:14     | 30663 ||| SWAPPING to +9 broad axe "Kosum" {antimagic,
                  | rC+}.
 30664 | D:14     | 30664 ||| SWAPPING to +6 heavy broad axe.
 30665 | D:14     | 30665 ||| SWAPPING to +9 broad axe "Kosum" {antimagic,
                  | rC+}.
 30666 | D:14     | 30666 ||| SWAPPING to +6 heavy broad axe.
 30667 | D:14     | 30667 ||| SWAPPING to +9 broad axe "Kosum" {antimagic,
                  | rC+}.
 30668 | D:14     | 30668 ||| SWAPPING to +6 heavy broad axe.
 30669 | D:14     | 30669 ||| SWAPPING to +9 broad axe "Kosum" {antimagic,
                  | rC+}.
 30670 | D:14     | 30670 ||| SWAPPING to +6 heavy broad axe.
 30671 | D:14     | 30671 ||| SWAPPING to +9 broad axe "Kosum" {antimagic,
                  | rC+}.
 30672 | D:14     | 30672 ||| SWAPPING to +6 heavy broad axe.
 30673 | D:14     | 30673 ||| SWAPPING to +9 broad axe "Kosum" {antimagic,
                  | rC+}.
 30674 | D:14     | 30674 ||| SWAPPING to +6 heavy broad axe.
 30675 | D:14     | 30675 ||| SWAPPING to +9 broad axe "Kosum" {antimagic,
                  | rC+}.
 30676 | D:14     | 30676 ||| SWAPPING to +6 heavy broad axe.
 30677 | D:14     | 30677 ||| SWAPPING to +9 broad axe "Kosum" {antimagic,
                  | rC+}.
 30678 | D:14     | 30678 ||| SWAPPING to +6 heavy broad axe.
 30679 | D:14     | 30679 ||| SWAPPING to +9 broad axe "Kosum" {antimagic,
                  | rC+}.
 30680 | D:14     | 30680 ||| SWAPPING to +6 heavy broad axe.
 30681 | D:14     | 30681 ||| SWAPPING to +9 broad axe "Kosum" {antimagic,
                  | rC+}.
 30682 | D:14     | 30682 ||| SWAPPING to +6 heavy broad axe.
 30683 | D:14     | 30683 ||| SWAPPING to +9 broad axe "Kosum" {antimagic,
                  | rC+}.
 30684 | D:14     | 30684 ||| SWAPPING to +6 heavy broad axe.
 30685 | D:14     | 30685 ||| SWAPPING to +9 broad axe "Kosum" {antimagic,
                  | rC+}.
 30686 | D:14     | 30686 ||| SWAPPING to +6 heavy broad axe.
 30687 | D:14     | 30687 ||| SWAPPING to +9 broad axe "Kosum" {antimagic,
                  | rC+}.
 30688 | D:14     | 30688 ||| SWAPPING to +6 heavy broad axe.
 30689 | D:14     | 30689 ||| SWAPPING to +9 broad axe "Kosum" {antimagic,
                  | rC+}.
 30690 | D:14     | 30690 ||| SWAPPING to +6 heavy broad axe.
 30691 | D:14     | 30691 ||| SWAPPING to +9 broad axe "Kosum" {antimagic,
                  | rC+}.
 30692 | D:14     | 30692 ||| SWAPPING to +6 heavy broad axe.
 30693 | D:14     | 30693 ||| SWAPPING to +9 broad axe "Kosum" {antimagic,
                  | rC+}.
 30694 | D:14     | 30694 ||| SWAPPING to +6 heavy broad axe.
 30695 | D:14     | 30695 ||| SWAPPING to +9 broad axe "Kosum" {antimagic,
                  | rC+}.
 30696 | D:14     | 30696 ||| SWAPPING to +6 heavy broad axe.
 30697 | D:14     | 30697 ||| SWAPPING to +9 broad axe "Kosum" {antimagic,
                  | rC+}.
 30698 | D:14     | 30698 ||| SWAPPING to +6 heavy broad axe.
 30699 | D:14     | 30699 ||| SWAPPING to +9 broad axe "Kosum" {antimagic,
                  | rC+}.
 30700 | D:14     | 30700 ||| SWAPPING to +6 heavy broad axe.
 30701 | D:14     | 30701 ||| SWAPPING to +9 broad axe "Kosum" {antimagic,
                  | rC+}.
 30702 | D:14     | 30702 ||| SWAPPING to +6 heavy broad axe.
 30703 | D:14     | 30703 ||| SWAPPING to +9 broad axe "Kosum" {antimagic,
                  | rC+}.
 30704 | D:14     | 30704 ||| SWAPPING to +6 heavy broad axe.
 30705 | D:14     | 30705 ||| SWAPPING to +9 broad axe "Kosum" {antimagic,
                  | rC+}.
 30706 | D:14     | 30706 ||| SWAPPING to +6 heavy broad axe.
 30707 | D:14     | 30707 ||| SWAPPING to +9 broad axe "Kosum" {antimagic,
                  | rC+}.
 30708 | D:14     | 30708 ||| SWAPPING to +6 heavy broad axe.
 30709 | D:14     | 30709 ||| SWAPPING to +9 broad axe "Kosum" {antimagic,
                  | rC+}.
 30710 | D:14     | 30710 ||| SWAPPING to +6 heavy broad axe.
 30711 | D:14     | 30711 ||| SWAPPING to +9 broad axe "Kosum" {antimagic,
                  | rC+}.
 30712 | D:14     | 30712 ||| SWAPPING to +6 heavy broad axe.
 30713 | D:14     | 30713 ||| SWAPPING to +9 broad axe "Kosum" {antimagic,
                  | rC+}.
 30714 | D:14     | 30714 ||| SWAPPING to +6 heavy broad axe.
 30715 | D:14     | 30715 ||| SWAPPING to +9 broad axe "Kosum" {antimagic,
                  | rC+}.
 30716 | D:14     | 30716 ||| SWAPPING to +6 heavy broad axe.
 30717 | D:14     | 30717 ||| SWAPPING to +9 broad axe "Kosum" {antimagic,
                  | rC+}.
 30718 | D:14     | 30718 ||| SWAPPING to +6 heavy broad axe.
 30719 | D:14     | 30719 ||| SWAPPING to +9 broad axe "Kosum" {antimagic,
                  | rC+}.
 30720 | D:14     | 30720 ||| SWAPPING to +6 heavy broad axe.
 30721 | D:14     | 30721 ||| SWAPPING to +9 broad axe "Kosum" {antimagic,
                  | rC+}.
 30722 | D:14     | 30722 ||| SWAPPING to +6 heavy broad axe.
 30723 | D:14     | 30723 ||| SWAPPING to +9 broad axe "Kosum" {antimagic,
                  | rC+}.
 30724 | D:14     | 30724 ||| SWAPPING to +6 heavy broad axe.
 30725 | D:14     | 30725 ||| SWAPPING to +9 broad axe "Kosum" {antimagic,
                  | rC+}.
 30726 | D:14     | 30726 ||| SWAPPING to +6 heavy broad axe.
 30727 | D:14     | 30727 ||| SWAPPING to +9 broad axe "Kosum" {antimagic,
                  | rC+}.
 30728 | D:14     | 30728 ||| SWAPPING to +6 heavy broad axe.
 30729 | D:14     | 30729 ||| SWAPPING to +9 broad axe "Kosum" {antimagic,
                  | rC+}.
 30730 | D:14     | 30730 ||| SWAPPING to +6 heavy broad axe.
 30731 | D:14     | 30731 ||| SWAPPING to +9 broad axe "Kosum" {antimagic,
                  | rC+}.
 30732 | D:14     | 30732 ||| SWAPPING to +6 heavy broad axe.
 30733 | D:14     | 30733 ||| SWAPPING to +9 broad axe "Kosum" {antimagic,
                  | rC+}.
 30734 | D:14     | 30734 ||| SWAPPING to +6 heavy broad axe.
 30735 | D:14     | 30735 ||| SWAPPING to +9 broad axe "Kosum" {antimagic,
                  | rC+}.
 30736 | D:14     | 30736 ||| SWAPPING to +6 heavy broad axe.
 30737 | D:14     | 30737 ||| SWAPPING to +9 broad axe "Kosum" {antimagic,
                  | rC+}.
 30738 | D:14     | 30738 ||| SWAPPING to +6 heavy broad axe.
 30739 | D:14     | 30739 ||| SWAPPING to +9 broad axe "Kosum" {antimagic,
                  | rC+}.
 30740 | D:14     | 30740 ||| SWAPPING to +6 heavy broad axe.
 30741 | D:14     | 30741 ||| SWAPPING to +9 broad axe "Kosum" {antimagic,
                  | rC+}.
 30742 | D:14     | 30742 ||| SWAPPING to +6 heavy broad axe.
 30743 | D:14     | 30743 ||| SWAPPING to +9 broad axe "Kosum" {antimagic,
                  | rC+}.
 30744 | D:14     | 30744 ||| SWAPPING to +6 heavy broad axe.
 30745 | D:14     | 30745 ||| SWAPPING to +9 broad axe "Kosum" {antimagic,
                  | rC+}.
 30746 | D:14     | 30746 ||| SWAPPING to +6 heavy broad axe.
 30747 | D:14     | 30747 ||| SWAPPING to +9 broad axe "Kosum" {antimagic,
                  | rC+}.
 30748 | D:14     | 30748 ||| SWAPPING to +6 heavy broad axe.
 30749 | D:14     | 30749 ||| SWAPPING to +9 broad axe "Kosum" {antimagic,
                  | rC+}.
 30750 | D:14     | 30750 ||| SWAPPING to +6 heavy broad axe.
 30751 | D:14     | 30751 ||| SWAPPING to +9 broad axe "Kosum" {antimagic,
                  | rC+}.
 30752 | D:14     | 30752 ||| SWAPPING to +6 heavy broad axe.
 30753 | D:14     | 30753 ||| SWAPPING to +9 broad axe "Kosum" {antimagic,
                  | rC+}.
 30754 | D:14     | 30754 ||| SWAPPING to +6 heavy broad axe.
 30755 | D:14     | 30755 ||| SWAPPING to +9 broad axe "Kosum" {antimagic,
                  | rC+}.
 30756 | D:14     | 30756 ||| SWAPPING to +6 heavy broad axe.
 30757 | D:14     | 30757 ||| SWAPPING to +9 broad axe "Kosum" {antimagic,
                  | rC+}.
 30758 | D:14     | 30758 ||| SWAPPING to +6 heavy broad axe.
 30759 | D:14     | 30759 ||| SWAPPING to +9 broad axe "Kosum" {antimagic,
                  | rC+}.
 30760 | D:14     | 30760 ||| SWAPPING to +6 heavy broad axe.
 30761 | D:14     | 30761 ||| SWAPPING to +9 broad axe "Kosum" {antimagic,
                  | rC+}.
 30762 | D:14     | 30762 ||| SWAPPING to +6 heavy broad axe.
 30763 | D:14     | 30763 ||| SWAPPING to +9 broad axe "Kosum" {antimagic,
                  | rC+}.
 30764 | D:14     | 30764 ||| SWAPPING to +6 heavy broad axe.
 30765 | D:14     | 30765 ||| SWAPPING to +9 broad axe "Kosum" {antimagic,
                  | rC+}.
 30766 | D:14     | 30766 ||| SWAPPING to +6 heavy broad axe.
 30767 | D:14     | 30767 ||| SWAPPING to +9 broad axe "Kosum" {antimagic,
                  | rC+}.
 30768 | D:14     | 30768 ||| SWAPPING to +6 heavy broad axe.
 30769 | D:14     | 30769 ||| SWAPPING to +9 broad axe "Kosum" {antimagic,
                  | rC+}.
 30770 | D:14     | 30770 ||| SWAPPING to +6 heavy broad axe.
 30771 | D:14     | 30771 ||| SWAPPING to +9 broad axe "Kosum" {antimagic,
                  | rC+}.
 30772 | D:14     | 30772 ||| SWAPPING to +6 heavy broad axe.
 30773 | D:14     | 30773 ||| SWAPPING to +9 broad axe "Kosum" {antimagic,
                  | rC+}.
 30774 | D:14     | 30774 ||| SWAPPING to +6 heavy broad axe.
 30775 | D:14     | 30775 ||| SWAPPING to +9 broad axe "Kosum" {antimagic,
                  | rC+}.
 30776 | D:14     | 30776 ||| SWAPPING to +6 heavy broad axe.
 30777 | D:14     | 30777 ||| SWAPPING to +9 broad axe "Kosum" {antimagic,
                  | rC+}.
 30778 | D:14     | 30778 ||| SWAPPING to +6 heavy broad axe.
 30779 | D:14     | 30779 ||| SWAPPING to +9 broad axe "Kosum" {antimagic,
                  | rC+}.
 30780 | D:14     | 30780 ||| SWAPPING to +6 heavy broad axe.
 30781 | D:14     | 30781 ||| SWAPPING to +9 broad axe "Kosum" {antimagic,
                  | rC+}.
 30782 | D:14     | 30782 ||| SWAPPING to +6 heavy broad axe.
 30783 | D:14     | 30783 ||| SWAPPING to +9 broad axe "Kosum" {antimagic,
                  | rC+}.
 30784 | D:14     | 30784 ||| SWAPPING to +6 heavy broad axe.
 30785 | D:14     | 30785 ||| SWAPPING to +9 broad axe "Kosum" {antimagic,
                  | rC+}.
 30786 | D:14     | 30786 ||| SWAPPING to +6 heavy broad axe.
 30787 | D:14     | 30787 ||| SWAPPING to +9 broad axe "Kosum" {antimagic,
                  | rC+}.
 30788 | D:14     | 30788 ||| SWAPPING to +6 heavy broad axe.
 30789 | D:14     | 30789 ||| SWAPPING to +9 broad axe "Kosum" {antimagic,
                  | rC+}.
 30790 | D:14     | 30790 ||| SWAPPING to +6 heavy broad axe.
 30791 | D:14     | 30791 ||| SWAPPING to +9 broad axe "Kosum" {antimagic,
                  | rC+}.
 30792 | D:14     | 30792 ||| SWAPPING to +6 heavy broad axe.
 30793 | D:14     | 30793 ||| SWAPPING to +9 broad axe "Kosum" {antimagic,
                  | rC+}.
 30794 | D:14     | 30794 ||| SWAPPING to +6 heavy broad axe.
 30795 | D:14     | 30795 ||| SWAPPING to +9 broad axe "Kosum" {antimagic,
                  | rC+}.
 30796 | D:14     | 30796 ||| SWAPPING to +6 heavy broad axe.
 30797 | D:14     | 30797 ||| SWAPPING to +9 broad axe "Kosum" {antimagic,
                  | rC+}.
 30798 | D:14     | 30798 ||| SWAPPING to +6 heavy broad axe.
 30799 | D:14     | 30799 ||| SWAPPING to +9 broad axe "Kosum" {antimagic,
                  | rC+}.
 30800 | D:14     | 30800 ||| SWAPPING to +6 heavy broad axe.
 30801 | D:14     | 30801 ||| SWAPPING to +9 broad axe "Kosum" {antimagic,
                  | rC+}.
 30802 | D:14     | 30802 ||| SWAPPING to +6 heavy broad axe.
 30803 | D:14     | 30803 ||| SWAPPING to +9 broad axe "Kosum" {antimagic,
                  | rC+}.
 30804 | D:14     | 30804 ||| SWAPPING to +6 heavy broad axe.
 30805 | D:14     | 30805 ||| SWAPPING to +9 broad axe "Kosum" {antimagic,
                  | rC+}.
 30806 | D:14     | 30806 ||| SWAPPING to +6 heavy broad axe.
 30807 | D:14     | 30807 ||| SWAPPING to +9 broad axe "Kosum" {antimagic,
                  | rC+}.
 30808 | D:14     | 30808 ||| SWAPPING to +6 heavy broad axe.
 30809 | D:14     | 30809 ||| SWAPPING to +9 broad axe "Kosum" {antimagic,
                  | rC+}.
 30810 | D:14     | 30810 ||| SWAPPING to +6 heavy broad axe.
 30811 | D:14     | 30811 ||| SWAPPING to +9 broad axe "Kosum" {antimagic,
                  | rC+}.
 30812 | D:14     | 30812 ||| SWAPPING to +6 heavy broad axe.
 30813 | D:14     | 30813 ||| SWAPPING to +9 broad axe "Kosum" {antimagic,
                  | rC+}.
 30814 | D:14     | 30814 ||| SWAPPING to +6 heavy broad axe.
 30815 | D:14     | 30815 ||| SWAPPING to +9 broad axe "Kosum" {antimagic,
                  | rC+}.
 30816 | D:14     | 30816 ||| SWAPPING to +6 heavy broad axe.
 30817 | D:14     | 30817 ||| SWAPPING to +9 broad axe "Kosum" {antimagic,
                  | rC+}.
 30818 | D:14     | 30818 ||| SWAPPING to +6 heavy broad axe.
 30819 | D:14     | 30819 ||| SWAPPING to +9 broad axe "Kosum" {antimagic,
                  | rC+}.
 30820 | D:14     | 30820 ||| SWAPPING to +6 heavy broad axe.
 30821 | D:14     | 30821 ||| SWAPPING to +9 broad axe "Kosum" {antimagic,
                  | rC+}.
 30822 | D:14     | 30822 ||| SWAPPING to +6 heavy broad axe.
 30823 | D:14     | 30823 ||| SWAPPING to +9 broad axe "Kosum" {antimagic,
                  | rC+}.
 30824 | D:14     | 30824 ||| SWAPPING to +6 heavy broad axe.
 30825 | D:14     | 30825 ||| SWAPPING to +9 broad axe "Kosum" {antimagic,
                  | rC+}.
 30826 | D:14     | 30826 ||| SWAPPING to +6 heavy broad axe.
 30827 | D:14     | 30827 ||| SWAPPING to +9 broad axe "Kosum" {antimagic,
                  | rC+}.
 30828 | D:14     | 30828 ||| SWAPPING to +6 heavy broad axe.
 30829 | D:14     | 30829 ||| SWAPPING to +9 broad axe "Kosum" {antimagic,
                  | rC+}.
 30830 | D:14     | 30830 ||| SWAPPING to +6 heavy broad axe.
 30831 | D:14     | 30831 ||| SWAPPING to +9 broad axe "Kosum" {antimagic,
                  | rC+}.
 30832 | D:14     | 30832 ||| SWAPPING to +6 heavy broad axe.
 30833 | D:14     | 30833 ||| SWAPPING to +9 broad axe "Kosum" {antimagic,
                  | rC+}.
 30834 | D:14     | 30834 ||| SWAPPING to +6 heavy broad axe.
 30835 | D:14     | 30835 ||| SWAPPING to +9 broad axe "Kosum" {antimagic,
                  | rC+}.
 30836 | D:14     | 30836 ||| SWAPPING to +6 heavy broad axe.
 30837 | D:14     | 30837 ||| SWAPPING to +9 broad axe "Kosum" {antimagic,
                  | rC+}.
 30838 | D:14     | 30838 ||| SWAPPING to +6 heavy broad axe.
 30839 | D:14     | 30839 ||| SWAPPING to +9 broad axe "Kosum" {antimagic,
                  | rC+}.
 30840 | D:14     | 30840 ||| SWAPPING to +6 heavy broad axe.
 30841 | D:14     | 30841 ||| SWAPPING to +9 broad axe "Kosum" {antimagic,
                  | rC+}.
 30842 | D:14     | 30842 ||| SWAPPING to +6 heavy broad axe.
 30843 | D:14     | 30843 ||| SWAPPING to +9 broad axe "Kosum" {antimagic,
                  | rC+}.
 30844 | D:14     | 30844 ||| SWAPPING to +6 heavy broad axe.
 30845 | D:14     | 30845 ||| SWAPPING to +9 broad axe "Kosum" {antimagic,
                  | rC+}.
 30846 | D:14     | 30846 ||| SWAPPING to +6 heavy broad axe.
 30847 | D:14     | 30847 ||| SWAPPING to +9 broad axe "Kosum" {antimagic,
                  | rC+}.
 30848 | D:14     | 30848 ||| SWAPPING to +6 heavy broad axe.
 30849 | D:14     | 30849 ||| SWAPPING to +9 broad axe "Kosum" {antimagic,
                  | rC+}.
 30850 | D:14     | 30850 ||| SWAPPING to +6 heavy broad axe.
 30851 | D:14     | 30851 ||| SWAPPING to +9 broad axe "Kosum" {antimagic,
                  | rC+}.
 30852 | D:14     | 30852 ||| SWAPPING to +6 heavy broad axe.
 30853 | D:14     | 30853 ||| SWAPPING to +9 broad axe "Kosum" {antimagic,
                  | rC+}.
 30854 | D:14     | 30854 ||| SWAPPING to +6 heavy broad axe.
 30855 | D:14     | 30855 ||| SWAPPING to +9 broad axe "Kosum" {antimagic,
                  | rC+}.
 30856 | D:14     | 30856 ||| SWAPPING to +6 heavy broad axe.
 30857 | D:14     | 30857 ||| SWAPPING to +9 broad axe "Kosum" {antimagic,
                  | rC+}.
 30858 | D:14     | 30858 ||| SWAPPING to +6 heavy broad axe.
 30859 | D:14     | 30859 ||| SWAPPING to +9 broad axe "Kosum" {antimagic,
                  | rC+}.
 30860 | D:14     | 30860 ||| SWAPPING to +6 heavy broad axe.
 30861 | D:14     | 30861 ||| SWAPPING to +9 broad axe "Kosum" {antimagic,
                  | rC+}.
 30862 | D:14     | 30862 ||| SWAPPING to +6 heavy broad axe.
 30863 | D:14     | 30863 ||| SWAPPING to +9 broad axe "Kosum" {antimagic,
                  | rC+}.
 30864 | D:14     | 30864 ||| SWAPPING to +6 heavy broad axe.
 30865 | D:14     | 30865 ||| SWAPPING to +9 broad axe "Kosum" {antimagic,
                  | rC+}.
 30866 | D:14     | 30866 ||| SWAPPING to +6 heavy broad axe.
 30867 | D:14     | 30867 ||| SWAPPING to +9 broad axe "Kosum" {antimagic,
                  | rC+}.
 30868 | D:14     | 30868 ||| SWAPPING to +6 heavy broad axe.
 30869 | D:14     | 30869 ||| SWAPPING to +9 broad axe "Kosum" {antimagic,
                  | rC+}.
 30870 | D:14     | 30870 ||| SWAPPING to +6 heavy broad axe.
 30871 | D:14     | 30871 ||| SWAPPING to +9 broad axe "Kosum" {antimagic,
                  | rC+}.
 30872 | D:14     | 30872 ||| SWAPPING to +6 heavy broad axe.
 30873 | D:14     | 30873 ||| SWAPPING to +9 broad axe "Kosum" {antimagic,
                  | rC+}.
 30874 | D:14     | 30874 ||| SWAPPING to +6 heavy broad axe.
 30875 | D:14     | 30875 ||| SWAPPING to +9 broad axe "Kosum" {antimagic,
                  | rC+}.
 30876 | D:14     | 30876 ||| SWAPPING to +6 heavy broad axe.
 30877 | D:14     | 30877 ||| SWAPPING to +9 broad axe "Kosum" {antimagic,
                  | rC+}.
 30878 | D:14     | 30878 ||| SWAPPING to +6 heavy broad axe.
 30879 | D:14     | 30879 ||| SWAPPING to +9 broad axe "Kosum" {antimagic,
                  | rC+}.
 30880 | D:14     | 30880 ||| SWAPPING to +6 heavy broad axe.
 30881 | D:14     | 30881 ||| SWAPPING to +9 broad axe "Kosum" {antimagic,
                  | rC+}.
 30882 | D:14     | 30882 ||| SWAPPING to +6 heavy broad axe.
 30883 | D:14     | 30883 ||| SWAPPING to +9 broad axe "Kosum" {antimagic,
                  | rC+}.
 30884 | D:14     | 30884 ||| SWAPPING to +6 heavy broad axe.
 30885 | D:14     | 30885 ||| SWAPPING to +9 broad axe "Kosum" {antimagic,
                  | rC+}.
 30886 | D:14     | 30886 ||| SWAPPING to +6 heavy broad axe.
 30887 | D:14     | 30887 ||| SWAPPING to +9 broad axe "Kosum" {antimagic,
                  | rC+}.
 30888 | D:14     | 30888 ||| SWAPPING to +6 heavy broad axe.
 30889 | D:14     | 30889 ||| SWAPPING to +9 broad axe "Kosum" {antimagic,
                  | rC+}.
 30890 | D:14     | 30890 ||| SWAPPING to +6 heavy broad axe.
 30891 | D:14     | 30891 ||| SWAPPING to +9 broad axe "Kosum" {antimagic,
                  | rC+}.
 30892 | D:14     | 30892 ||| SWAPPING to +6 heavy broad axe.
 30893 | D:14     | 30893 ||| SWAPPING to +9 broad axe "Kosum" {antimagic,
                  | rC+}.
 30894 | D:14     | 30894 ||| SWAPPING to +6 heavy broad axe.
 30895 | D:14     | 30895 ||| SWAPPING to +9 broad axe "Kosum" {antimagic,
                  | rC+}.
 30896 | D:14     | 30896 ||| SWAPPING to +6 heavy broad axe.
 30897 | D:14     | 30897 ||| SWAPPING to +9 broad axe "Kosum" {antimagic,
                  | rC+}.
 30898 | D:14     | 30898 ||| SWAPPING to +6 heavy broad axe.
 30899 | D:14     | 30899 ||| SWAPPING to +9 broad axe "Kosum" {antimagic,
                  | rC+}.
 30900 | D:14     | 30900 ||| SWAPPING to +6 heavy broad axe.
 30901 | D:14     | 30901 ||| SWAPPING to +9 broad axe "Kosum" {antimagic,
                  | rC+}.
 30902 | D:14     | 30902 ||| SWAPPING to +6 heavy broad axe.
 30903 | D:14     | 30903 ||| SWAPPING to +9 broad axe "Kosum" {antimagic,
                  | rC+}.
 30904 | D:14     | 30904 ||| SWAPPING to +6 heavy broad axe.
 30905 | D:14     | 30905 ||| SWAPPING to +9 broad axe "Kosum" {antimagic,
                  | rC+}.
 30906 | D:14     | 30906 ||| SWAPPING to +6 heavy broad axe.
 30907 | D:14     | 30907 ||| SWAPPING to +9 broad axe "Kosum" {antimagic,
                  | rC+}.
 30908 | D:14     | 30908 ||| SWAPPING to +6 heavy broad axe.
 30909 | D:14     | 30909 ||| SWAPPING to +9 broad axe "Kosum" {antimagic,
                  | rC+}.
 30910 | D:14     | 30910 ||| SWAPPING to +6 heavy broad axe.
 30911 | D:14     | 30911 ||| SWAPPING to +9 broad axe "Kosum" {antimagic,
                  | rC+}.
 30912 | D:14     | 30912 ||| SWAPPING to +6 heavy broad axe.
 30913 | D:14     | 30913 ||| SWAPPING to +9 broad axe "Kosum" {antimagic,
                  | rC+}.
 30914 | D:14     | 30914 ||| SWAPPING to +6 heavy broad axe.
 30915 | D:14     | 30915 ||| SWAPPING to +9 broad axe "Kosum" {antimagic,
                  | rC+}.
 30916 | D:14     | 30916 ||| SWAPPING to +6 heavy broad axe.
 30917 | D:14     | 30917 ||| SWAPPING to +9 broad axe "Kosum" {antimagic,
                  | rC+}.
 30918 | D:14     | 30918 ||| SWAPPING to +6 heavy broad axe.
 30919 | D:14     | 30919 ||| SWAPPING to +9 broad axe "Kosum" {antimagic,
                  | rC+}.
 30920 | D:14     | 30920 ||| SWAPPING to +6 heavy broad axe.
 30921 | D:14     | 30921 ||| SWAPPING to +9 broad axe "Kosum" {antimagic,
                  | rC+}.
 30922 | D:14     | 30922 ||| SWAPPING to +6 heavy broad axe.
 30923 | D:14     | 30923 ||| SWAPPING to +9 broad axe "Kosum" {antimagic,
                  | rC+}.
 30924 | D:14     | 30924 ||| SWAPPING to +6 heavy broad axe.
 30925 | D:14     | 30925 ||| SWAPPING to +9 broad axe "Kosum" {antimagic,
                  | rC+}.
 30926 | D:14     | 30926 ||| SWAPPING to +6 heavy broad axe.
 30927 | D:14     | 30927 ||| SWAPPING to +9 broad axe "Kosum" {antimagic,
                  | rC+}.
 30928 | D:14     | 30928 ||| SWAPPING to +6 heavy broad axe.
 30929 | D:14     | 30929 ||| SWAPPING to +9 broad axe "Kosum" {antimagic,
                  | rC+}.
 30930 | D:14     | 30930 ||| SWAPPING to +6 heavy broad axe.
 30931 | D:14     | 30931 ||| SWAPPING to +9 broad axe "Kosum" {antimagic,
                  | rC+}.
 30932 | D:14     | 30932 ||| SWAPPING to +6 heavy broad axe.
 30933 | D:14     | 30933 ||| SWAPPING to +9 broad axe "Kosum" {antimagic,
                  | rC+}.
 30934 | D:14     | 30934 ||| SWAPPING to +6 heavy broad axe.
 30935 | D:14     | 30935 ||| SWAPPING to +9 broad axe "Kosum" {antimagic,
                  | rC+}.
 30936 | D:14     | 30936 ||| SWAPPING to +6 heavy broad axe.
 30937 | D:14     | 30937 ||| SWAPPING to +9 broad axe "Kosum" {antimagic,
                  | rC+}.
 30938 | D:14     | 30938 ||| SWAPPING to +6 heavy broad axe.
 30939 | D:14     | 30939 ||| SWAPPING to +9 broad axe "Kosum" {antimagic,
                  | rC+}.
 30940 | D:14     | 30940 ||| SWAPPING to +6 heavy broad axe.
 30941 | D:14     | 30941 ||| SWAPPING to +9 broad axe "Kosum" {antimagic,
                  | rC+}.
 30942 | D:14     | 30942 ||| SWAPPING to +6 heavy broad axe.
 30943 | D:14     | 30943 ||| SWAPPING to +9 broad axe "Kosum" {antimagic,
                  | rC+}.
 30944 | D:14     | 30944 ||| SWAPPING to +6 heavy broad axe.
 30945 | D:14     | 30945 ||| SWAPPING to +9 broad axe "Kosum" {antimagic,
                  | rC+}.
 30946 | D:14     | 30946 ||| SWAPPING to +6 heavy broad axe.
 30947 | D:14     | 30947 ||| SWAPPING to +9 broad axe "Kosum" {antimagic,
                  | rC+}.
 30948 | D:14     | 30948 ||| SWAPPING to +6 heavy broad axe.
 30949 | D:14     | 30949 ||| SWAPPING to +9 broad axe "Kosum" {antimagic,
                  | rC+}.
 30950 | D:14     | 30950 ||| SWAPPING to +6 heavy broad axe.
 30951 | D:14     | 30951 ||| SWAPPING to +9 broad axe "Kosum" {antimagic,
                  | rC+}.
 30952 | D:14     | 30952 ||| SWAPPING to +6 heavy broad axe.
 30953 | D:14     | 30953 ||| SWAPPING to +9 broad axe "Kosum" {antimagic,
                  | rC+}.
 30954 | D:14     | 30954 ||| SWAPPING to +6 heavy broad axe.
 30955 | D:14     | 30955 ||| SWAPPING to +9 broad axe "Kosum" {antimagic,
                  | rC+}.
 30956 | D:14     | 30956 ||| SWAPPING to +6 heavy broad axe.
 30957 | D:14     | 30957 ||| SWAPPING to +9 broad axe "Kosum" {antimagic,
                  | rC+}.
 30958 | D:14     | 30958 ||| SWAPPING to +6 heavy broad axe.
 30959 | D:14     | 30959 ||| SWAPPING to +9 broad axe "Kosum" {antimagic,
                  | rC+}.
 30960 | D:14     | 30960 ||| SWAPPING to +6 heavy broad axe.
 30961 | D:14     | 30961 ||| SWAPPING to +9 broad axe "Kosum" {antimagic,
                  | rC+}.
 30962 | D:14     | 30962 ||| SWAPPING to +6 heavy broad axe.
 30963 | D:14     | 30963 ||| SWAPPING to +9 broad axe "Kosum" {antimagic,
                  | rC+}.
 30964 | D:14     | 30964 ||| SWAPPING to +6 heavy broad axe.
 30965 | D:14     | 30965 ||| SWAPPING to +9 broad axe "Kosum" {antimagic,
                  | rC+}.
 30966 | D:14     | 30966 ||| SWAPPING to +6 heavy broad axe.
 30967 | D:14     | 30967 ||| SWAPPING to +9 broad axe "Kosum" {antimagic,
                  | rC+}.
 30968 | D:14     | 30968 ||| SWAPPING to +6 heavy broad axe.
 30969 | D:14     | 30969 ||| SWAPPING to +9 broad axe "Kosum" {antimagic,
                  | rC+}.
 30970 | D:14     | 30970 ||| SWAPPING to +6 heavy broad axe.
 30971 | D:14     | 30971 ||| SWAPPING to +9 broad axe "Kosum" {antimagic,
                  | rC+}.
 30972 | D:14     | 30972 ||| SWAPPING to +6 heavy broad axe.
 30973 | D:14     | 30973 ||| SWAPPING to +9 broad axe "Kosum" {antimagic,
                  | rC+}.
 30974 | D:14     | 30974 ||| SWAPPING to +6 heavy broad axe.
 30975 | D:14     | 30975 ||| SWAPPING to +9 broad axe "Kosum" {antimagic,
                  | rC+}.
 30976 | D:14     | 30976 ||| SWAPPING to +6 heavy broad axe.
 30977 | D:14     | 30977 ||| SWAPPING to +9 broad axe "Kosum" {antimagic,
                  | rC+}.
 30978 | D:14     | 30978 ||| SWAPPING to +6 heavy broad axe.
 30979 | D:14     | 30979 ||| SWAPPING to +9 broad axe "Kosum" {antimagic,
                  | rC+}.
 30980 | D:14     | 30980 ||| SWAPPING to +6 heavy broad axe.
 30981 | D:14     | 30981 ||| SWAPPING to +9 broad axe "Kosum" {antimagic,
                  | rC+}.
 30982 | D:14     | 30982 ||| SWAPPING to +6 heavy broad axe.
 30983 | D:14     | 30983 ||| SWAPPING to +9 broad axe "Kosum" {antimagic,
                  | rC+}.
 30984 | D:14     | 30984 ||| SWAPPING to +6 heavy broad axe.
 30985 | D:14     | 30985 ||| SWAPPING to +9 broad axe "Kosum" {antimagic,
                  | rC+}.
 30986 | D:14     | 30986 ||| SWAPPING to +6 heavy broad axe.
 30987 | D:14     | 30987 ||| SWAPPING to +9 broad axe "Kosum" {antimagic,
                  | rC+}.
 30988 | D:14     | 30988 ||| SWAPPING to +6 heavy broad axe.
 30989 | D:14     | 30989 ||| SWAPPING to +9 broad axe "Kosum" {antimagic,
                  | rC+}.
 30990 | D:14     | 30990 ||| SWAPPING to +6 heavy broad axe.
 30991 | D:14     | 30991 ||| SWAPPING to +9 broad axe "Kosum" {antimagic,
                  | rC+}.
 30992 | D:14     | 30992 ||| SWAPPING to +6 heavy broad axe.
 30993 | D:14     | 30993 ||| SWAPPING to +9 broad axe "Kosum" {antimagic,
                  | rC+}.
 30994 | D:14     | 30994 ||| SWAPPING to +6 heavy broad axe.
 30995 | D:14     | 30995 ||| SWAPPING to +9 broad axe "Kosum" {antimagic,
                  | rC+}.
 30996 | D:14     | 30996 ||| SWAPPING to +6 heavy broad axe.
 30997 | D:14     | 30997 ||| SWAPPING to +9 broad axe "Kosum" {antimagic,
                  | rC+}.
 30998 | D:14     | 30998 ||| SWAPPING to +6 heavy broad axe.
 30999 | D:14     | 30999 ||| SWAPPING to +9 broad axe "Kosum" {antimagic,
                  | rC+}.
 31000 | D:14     | 31000 ||| SWAPPING to +6 heavy broad axe.
 31001 | D:14     | 31001 ||| SWAPPING to +9 broad axe "Kosum" {antimagic,
                  | rC+}.
 31002 | D:14     | 31002 ||| SWAPPING to +6 heavy broad axe.
 31003 | D:14     | 31003 ||| SWAPPING to +9 broad axe "Kosum" {antimagic,
                  | rC+}.
 31004 | D:14     | 31004 ||| SWAPPING to +6 heavy broad axe.
 31005 | D:14     | 31005 ||| SWAPPING to +9 broad axe "Kosum" {antimagic,
                  | rC+}.
 31006 | D:14     | 31006 ||| SWAPPING to +6 heavy broad axe.
 31007 | D:14     | 31007 ||| SWAPPING to +9 broad axe "Kosum" {antimagic,
                  | rC+}.
 31008 | D:14     | 31008 ||| SWAPPING to +6 heavy broad axe.
 31009 | D:14     | 31009 ||| SWAPPING to +9 broad axe "Kosum" {antimagic,
                  | rC+}.
 31010 | D:14     | 31010 ||| SWAPPING to +6 heavy broad axe.
 31011 | D:14     | 31011 ||| SWAPPING to +9 broad axe "Kosum" {antimagic,
                  | rC+}.
 31012 | D:14     | 31012 ||| SWAPPING to +6 heavy broad axe.
 31013 | D:14     | 31013 ||| SWAPPING to +9 broad axe "Kosum" {antimagic,
                  | rC+}.
 31014 | D:14     | 31014 ||| SWAPPING to +6 heavy broad axe.
 31015 | D:14     | 31015 ||| SWAPPING to +9 broad axe "Kosum" {antimagic,
                  | rC+}.
 31016 | D:14     | 31016 ||| SWAPPING to +6 heavy broad axe.
 31017 | D:14     | 31017 ||| SWAPPING to +9 broad axe "Kosum" {antimagic,
                  | rC+}.
 31018 | D:14     | 31018 ||| SWAPPING to +6 heavy broad axe.
 31019 | D:14     | 31019 ||| SWAPPING to +9 broad axe "Kosum" {antimagic,
                  | rC+}.
 31020 | D:14     | 31020 ||| SWAPPING to +6 heavy broad axe.
 31021 | D:14     | 31021 ||| SWAPPING to +9 broad axe "Kosum" {antimagic,
                  | rC+}.
 31022 | D:14     | 31022 ||| SWAPPING to +6 heavy broad axe.
 31023 | D:14     | 31023 ||| SWAPPING to +9 broad axe "Kosum" {antimagic,
                  | rC+}.
 31024 | D:14     | 31024 ||| SWAPPING to +6 heavy broad axe.
 31025 | D:14     | 31025 ||| SWAPPING to +9 broad axe "Kosum" {antimagic,
                  | rC+}.
 31026 | D:14     | 31026 ||| SWAPPING to +6 heavy broad axe.
 31027 | D:14     | 31027 ||| SWAPPING to +9 broad axe "Kosum" {antimagic,
                  | rC+}.
 31028 | D:14     | 31028 ||| SWAPPING to +6 heavy broad axe.
 31029 | D:14     | 31029 ||| SWAPPING to +9 broad axe "Kosum" {antimagic,
                  | rC+}.
 31030 | D:14     | 31030 ||| SWAPPING to +6 heavy broad axe.
 31031 | D:14     | 31031 ||| SWAPPING to +9 broad axe "Kosum" {antimagic,
                  | rC+}.
 31032 | D:14     | 31032 ||| SWAPPING to +6 heavy broad axe.
 31033 | D:14     | 31033 ||| SWAPPING to +9 broad axe "Kosum" {antimagic,
                  | rC+}.
 31034 | D:14     | 31034 ||| SWAPPING to +6 heavy broad axe.
 31035 | D:14     | 31035 ||| SWAPPING to +9 broad axe "Kosum" {antimagic,
                  | rC+}.
 31036 | D:14     | 31036 ||| SWAPPING to +6 heavy broad axe.
 31037 | D:14     | 31037 ||| SWAPPING to +9 broad axe "Kosum" {antimagic,
                  | rC+}.
 31038 | D:14     | 31038 ||| SWAPPING to +6 heavy broad axe.
 31039 | D:14     | 31039 ||| SWAPPING to +9 broad axe "Kosum" {antimagic,
                  | rC+}.
 31040 | D:14     | 31040 ||| SWAPPING to +6 heavy broad axe.
 31041 | D:14     | 31041 ||| SWAPPING to +9 broad axe "Kosum" {antimagic,
                  | rC+}.
 31042 | D:14     | 31042 ||| SWAPPING to +6 heavy broad axe.
 31043 | D:14     | 31043 ||| SWAPPING to +9 broad axe "Kosum" {antimagic,
                  | rC+}.
 31044 | D:14     | 31044 ||| SWAPPING to +6 heavy broad axe.
 31045 | D:14     | 31045 ||| SWAPPING to +9 broad axe "Kosum" {antimagic,
                  | rC+}.
 31046 | D:14     | 31046 ||| SWAPPING to +6 heavy broad axe.
 31047 | D:14     | 31047 ||| SWAPPING to +9 broad axe "Kosum" {antimagic,
                  | rC+}.
 31048 | D:14     | 31048 ||| SWAPPING to +6 heavy broad axe.
 31049 | D:14     | 31049 ||| SWAPPING to +9 broad axe "Kosum" {antimagic,
                  | rC+}.
 31050 | D:14     | 31050 ||| SWAPPING to +6 heavy broad axe.
 31051 | D:14     | 31051 ||| SWAPPING to +9 broad axe "Kosum" {antimagic,
                  | rC+}.
 31052 | D:14     | 31052 ||| SWAPPING to +6 heavy broad axe.
 31053 | D:14     | 31053 ||| SWAPPING to +9 broad axe "Kosum" {antimagic,
                  | rC+}.
 31054 | D:14     | 31054 ||| SWAPPING to +6 heavy broad axe.
 31055 | D:14     | 31055 ||| SWAPPING to +9 broad axe "Kosum" {antimagic,
                  | rC+}.
 31056 | D:14     | 31056 ||| SWAPPING to +6 heavy broad axe.
 31057 | D:14     | 31057 ||| SWAPPING to +9 broad axe "Kosum" {antimagic,
                  | rC+}.
 31058 | D:14     | 31058 ||| SWAPPING to +6 heavy broad axe.
 31059 | D:14     | 31059 ||| SWAPPING to +9 broad axe "Kosum" {antimagic,
                  | rC+}.
 31060 | D:14     | 31060 ||| SWAPPING to +6 heavy broad axe.
 31061 | D:14     | 31061 ||| SWAPPING to +9 broad axe "Kosum" {antimagic,
                  | rC+}.
 31062 | D:14     | 31062 ||| SWAPPING to +6 heavy broad axe.
 31063 | D:14     | 31063 ||| SWAPPING to +9 broad axe "Kosum" {antimagic,
                  | rC+}.
 31064 | D:14     | 31064 ||| SWAPPING to +6 heavy broad axe.
 31065 | D:14     | 31065 ||| SWAPPING to +9 broad axe "Kosum" {antimagic,
                  | rC+}.
 31066 | D:14     | 31066 ||| SWAPPING to +6 heavy broad axe.
 31067 | D:14     | 31067 ||| SWAPPING to +9 broad axe "Kosum" {antimagic,
                  | rC+}.
 31068 | D:14     | 31068 ||| SWAPPING to +6 heavy broad axe.
 31069 | D:14     | 31069 ||| SWAPPING to +9 broad axe "Kosum" {antimagic,
                  | rC+}.
 31070 | D:14     | 31070 ||| SWAPPING to +6 heavy broad axe.
 31071 | D:14     | 31071 ||| SWAPPING to +9 broad axe "Kosum" {antimagic,
                  | rC+}.
 31072 | D:14     | 31072 ||| SWAPPING to +6 heavy broad axe.
 31073 | D:14     | 31073 ||| SWAPPING to +9 broad axe "Kosum" {antimagic,
                  | rC+}.
 31074 | D:14     | 31074 ||| SWAPPING to +6 heavy broad axe.
 31075 | D:14     | 31075 ||| SWAPPING to +9 broad axe "Kosum" {antimagic,
                  | rC+}.
 31076 | D:14     | 31076 ||| SWAPPING to +6 heavy broad axe.
 31077 | D:14     | 31077 ||| SWAPPING to +9 broad axe "Kosum" {antimagic,
                  | rC+}.
 31078 | D:14     | 31078 ||| SWAPPING to +6 heavy broad axe.
 31079 | D:14     | 31079 ||| SWAPPING to +9 broad axe "Kosum" {antimagic,
                  | rC+}.
 31080 | D:14     | 31080 ||| SWAPPING to +6 heavy broad axe.
 31081 | D:14     | 31081 ||| SWAPPING to +9 broad axe "Kosum" {antimagic,
                  | rC+}.
 31082 | D:14     | 31082 ||| SWAPPING to +6 heavy broad axe.
 31083 | D:14     | 31083 ||| SWAPPING to +9 broad axe "Kosum" {antimagic,
                  | rC+}.
 31084 | D:14     | 31084 ||| SWAPPING to +6 heavy broad axe.
 31085 | D:14     | 31085 ||| SWAPPING to +9 broad axe "Kosum" {antimagic,
                  | rC+}.
 31086 | D:14     | 31086 ||| SWAPPING to +6 heavy broad axe.
 31087 | D:14     | 31087 ||| SWAPPING to +9 broad axe "Kosum" {antimagic,
                  | rC+}.
 31088 | D:14     | 31088 ||| SWAPPING to +6 heavy broad axe.
 31089 | D:14     | 31089 ||| SWAPPING to +9 broad axe "Kosum" {antimagic,
                  | rC+}.
 31090 | D:14     | 31090 ||| SWAPPING to +6 heavy broad axe.
 31091 | D:14     | 31091 ||| SWAPPING to +9 broad axe "Kosum" {antimagic,
                  | rC+}.
 31092 | D:14     | 31092 ||| SWAPPING to +6 heavy broad axe.
 31093 | D:14     | 31093 ||| SWAPPING to +9 broad axe "Kosum" {antimagic,
                  | rC+}.
 31094 | D:14     | 31094 ||| SWAPPING to +6 heavy broad axe.
 31095 | D:14     | 31095 ||| SWAPPING to +9 broad axe "Kosum" {antimagic,
                  | rC+}.
 31096 | D:14     | 31096 ||| SWAPPING to +6 heavy broad axe.
 31097 | D:14     | 31097 ||| SWAPPING to +9 broad axe "Kosum" {antimagic,
                  | rC+}.
 31098 | D:14     | 31098 ||| SWAPPING to +6 heavy broad axe.
 31099 | D:14     | 31099 ||| SWAPPING to +9 broad axe "Kosum" {antimagic,
                  | rC+}.
 31100 | D:14     | 31100 ||| SWAPPING to +6 heavy broad axe.
 31101 | D:14     | 31101 ||| SWAPPING to +9 broad axe "Kosum" {antimagic,
                  | rC+}.
 31102 | D:14     | 31102 ||| SWAPPING to +6 heavy broad axe.
 31103 | D:14     | 31103 ||| SWAPPING to +9 broad axe "Kosum" {antimagic,
                  | rC+}.
 31104 | D:14     | 31104 ||| SWAPPING to +6 heavy broad axe.
 31105 | D:14     | 31105 ||| SWAPPING to +9 broad axe "Kosum" {antimagic,
                  | rC+}.
 31106 | D:14     | 31106 ||| SWAPPING to +6 heavy broad axe.
 31107 | D:14     | 31107 ||| SWAPPING to +9 broad axe "Kosum" {antimagic,
                  | rC+}.
 31108 | D:14     | 31108 ||| SWAPPING to +6 heavy broad axe.
 31109 | D:14     | 31109 ||| SWAPPING to +9 broad axe "Kosum" {antimagic,
                  | rC+}.
 31110 | D:14     | 31110 ||| SWAPPING to +6 heavy broad axe.
 31111 | D:14     | 31111 ||| SWAPPING to +9 broad axe "Kosum" {antimagic,
                  | rC+}.
 31112 | D:14     | 31112 ||| SWAPPING to +6 heavy broad axe.
 31113 | D:14     | 31113 ||| SWAPPING to +9 broad axe "Kosum" {antimagic,
                  | rC+}.
 31114 | D:14     | 31114 ||| SWAPPING to +6 heavy broad axe.
 31115 | D:14     | 31115 ||| SWAPPING to +9 broad axe "Kosum" {antimagic,
                  | rC+}.
 31116 | D:14     | 31116 ||| SWAPPING to +6 heavy broad axe.
 31117 | D:14     | 31117 ||| SWAPPING to +9 broad axe "Kosum" {antimagic,
                  | rC+}.
 31118 | D:14     | 31118 ||| SWAPPING to +6 heavy broad axe.
 31119 | D:14     | 31119 ||| SWAPPING to +9 broad axe "Kosum" {antimagic,
                  | rC+}.
 31120 | D:14     | 31120 ||| SWAPPING to +6 heavy broad axe.
 31121 | D:14     | 31121 ||| SWAPPING to +9 broad axe "Kosum" {antimagic,
                  | rC+}.
 31122 | D:14     | 31122 ||| SWAPPING to +6 heavy broad axe.
 31123 | D:14     | 31123 ||| SWAPPING to +9 broad axe "Kosum" {antimagic,
                  | rC+}.
 31124 | D:14     | 31124 ||| SWAPPING to +6 heavy broad axe.
 31125 | D:14     | 31125 ||| SWAPPING to +9 broad axe "Kosum" {antimagic,
                  | rC+}.
 31126 | D:14     | 31126 ||| SWAPPING to +6 heavy broad axe.
 31127 | D:14     | 31127 ||| SWAPPING to +9 broad axe "Kosum" {antimagic,
                  | rC+}.
 31128 | D:14     | 31128 ||| SWAPPING to +6 heavy broad axe.
 31129 | D:14     | 31129 ||| SWAPPING to +9 broad axe "Kosum" {antimagic,
                  | rC+}.
 31130 | D:14     | 31130 ||| SWAPPING to +6 heavy broad axe.
 31131 | D:14     | 31131 ||| SWAPPING to +9 broad axe "Kosum" {antimagic,
                  | rC+}.
 31132 | D:14     | 31132 ||| SWAPPING to +6 heavy broad axe.
 31133 | D:14     | 31133 ||| SWAPPING to +9 broad axe "Kosum" {antimagic,
                  | rC+}.
 31134 | D:14     | 31134 ||| SWAPPING to +6 heavy broad axe.
 31135 | D:14     | 31135 ||| SWAPPING to +9 broad axe "Kosum" {antimagic,
                  | rC+}.
 31136 | D:14     | 31136 ||| SWAPPING to +6 heavy broad axe.
 31137 | D:14     | 31137 ||| SWAPPING to +9 broad axe "Kosum" {antimagic,
                  | rC+}.
 31138 | D:14     | 31138 ||| SWAPPING to +6 heavy broad axe.
 31139 | D:14     | 31139 ||| SWAPPING to +9 broad axe "Kosum" {antimagic,
                  | rC+}.
 31140 | D:14     | 31140 ||| SWAPPING to +6 heavy broad axe.
 31141 | D:14     | 31141 ||| SWAPPING to +9 broad axe "Kosum" {antimagic,
                  | rC+}.
 31142 | D:14     | 31142 ||| SWAPPING to +6 heavy broad axe.
 31143 | D:14     | 31143 ||| SWAPPING to +9 broad axe "Kosum" {antimagic,
                  | rC+}.
 31144 | D:14     | 31144 ||| SWAPPING to +6 heavy broad axe.
 31145 | D:14     | 31145 ||| SWAPPING to +9 broad axe "Kosum" {antimagic,
                  | rC+}.
 31146 | D:14     | 31146 ||| SWAPPING to +6 heavy broad axe.
 31147 | D:14     | 31147 ||| SWAPPING to +9 broad axe "Kosum" {antimagic,
                  | rC+}.
 31148 | D:14     | 31148 ||| SWAPPING to +6 heavy broad axe.
 31149 | D:14     | 31149 ||| SWAPPING to +9 broad axe "Kosum" {antimagic,
                  | rC+}.
 31150 | D:14     | 31150 ||| SWAPPING to +6 heavy broad axe.
 31151 | D:14     | 31151 ||| SWAPPING to +9 broad axe "Kosum" {antimagic,
                  | rC+}.
 31152 | D:14     | 31152 ||| SWAPPING to +6 heavy broad axe.
 31153 | D:14     | 31153 ||| SWAPPING to +9 broad axe "Kosum" {antimagic,
                  | rC+}.
 31154 | D:14     | 31154 ||| SWAPPING to +6 heavy broad axe.
 31155 | D:14     | 31155 ||| SWAPPING to +9 broad axe "Kosum" {antimagic,
                  | rC+}.
 31156 | D:14     | 31156 ||| SWAPPING to +6 heavy broad axe.
 31157 | D:14     | 31157 ||| SWAPPING to +9 broad axe "Kosum" {antimagic,
                  | rC+}.
 31158 | D:14     | 31158 ||| SWAPPING to +6 heavy broad axe.
 31159 | D:14     | 31159 ||| SWAPPING to +9 broad axe "Kosum" {antimagic,
                  | rC+}.
 31160 | D:14     | 31160 ||| SWAPPING to +6 heavy broad axe.
 31161 | D:14     | 31161 ||| SWAPPING to +9 broad axe "Kosum" {antimagic,
                  | rC+}.
 31162 | D:14     | 31162 ||| SWAPPING to +6 heavy broad axe.
 31163 | D:14     | 31163 ||| SWAPPING to +9 broad axe "Kosum" {antimagic,
                  | rC+}.
 31164 | D:14     | 31164 ||| SWAPPING to +6 heavy broad axe.
 31165 | D:14     | 31165 ||| SWAPPING to +9 broad axe "Kosum" {antimagic,
                  | rC+}.
 31166 | D:14     | 31166 ||| SWAPPING to +6 heavy broad axe.
 31167 | D:14     | 31167 ||| SWAPPING to +9 broad axe "Kosum" {antimagic,
                  | rC+}.
 31168 | D:14     | 31168 ||| SWAPPING to +6 heavy broad axe.
 31169 | D:14     | 31169 ||| SWAPPING to +9 broad axe "Kosum" {antimagic,
                  | rC+}.
 31170 | D:14     | 31170 ||| SWAPPING to +6 heavy broad axe.
 31171 | D:14     | 31171 ||| SWAPPING to +9 broad axe "Kosum" {antimagic,
                  | rC+}.
 31172 | D:14     | 31172 ||| SWAPPING to +6 heavy broad axe.
 31173 | D:14     | 31173 ||| SWAPPING to +9 broad axe "Kosum" {antimagic,
                  | rC+}.
 31174 | D:14     | 31174 ||| SWAPPING to +6 heavy broad axe.
 31175 | D:14     | 31175 ||| SWAPPING to +9 broad axe "Kosum" {antimagic,
                  | rC+}.
 31176 | D:14     | 31176 ||| SWAPPING to +6 heavy broad axe.
 31177 | D:14     | 31177 ||| SWAPPING to +9 broad axe "Kosum" {antimagic,
                  | rC+}.
 31178 | D:14     | 31178 ||| SWAPPING to +6 heavy broad axe.
 31179 | D:14     | 31179 ||| SWAPPING to +9 broad axe "Kosum" {antimagic,
                  | rC+}.
 31180 | D:14     | 31180 ||| SWAPPING to +6 heavy broad axe.
 31181 | D:14     | 31181 ||| SWAPPING to +9 broad axe "Kosum" {antimagic,
                  | rC+}.
 31182 | D:14     | 31182 ||| SWAPPING to +6 heavy broad axe.
 31183 | D:14     | 31183 ||| SWAPPING to +9 broad axe "Kosum" {antimagic,
                  | rC+}.
 31184 | D:14     | 31184 ||| SWAPPING to +6 heavy broad axe.
 31185 | D:14     | 31185 ||| SWAPPING to +9 broad axe "Kosum" {antimagic,
                  | rC+}.
 31186 | D:14     | 31186 ||| SWAPPING to +6 heavy broad axe.
 31187 | D:14     | 31187 ||| SWAPPING to +9 broad axe "Kosum" {antimagic,
                  | rC+}.
 31188 | D:14     | 31188 ||| SWAPPING to +6 heavy broad axe.
 31189 | D:14     | 31189 ||| SWAPPING to +9 broad axe "Kosum" {antimagic,
                  | rC+}.
 31190 | D:14     | 31190 ||| SWAPPING to +6 heavy broad axe.
 31191 | D:14     | 31191 ||| SWAPPING to +9 broad axe "Kosum" {antimagic,
                  | rC+}.
 31192 | D:14     | 31192 ||| SWAPPING to +6 heavy broad axe.
 31193 | D:14     | 31193 ||| SWAPPING to +9 broad axe "Kosum" {antimagic,
                  | rC+}.
 31194 | D:14     | 31194 ||| SWAPPING to +6 heavy broad axe.
 31195 | D:14     | 31195 ||| SWAPPING to +9 broad axe "Kosum" {antimagic,
                  | rC+}.
 31196 | D:14     | 31196 ||| SWAPPING to +6 heavy broad axe.
 31197 | D:14     | 31197 ||| SWAPPING to +9 broad axe "Kosum" {antimagic,
                  | rC+}.
 31198 | D:14     | 31198 ||| SWAPPING to +6 heavy broad axe.
 31199 | D:14     | 31199 ||| SWAPPING to +9 broad axe "Kosum" {antimagic,
                  | rC+}.
 31200 | D:14     | 31200 ||| SWAPPING to +6 heavy broad axe.
 31201 | D:14     | 31201 ||| SWAPPING to +9 broad axe "Kosum" {antimagic,
                  | rC+}.
 31202 | D:14     | 31202 ||| SWAPPING to +6 heavy broad axe.
 31203 | D:14     | 31203 ||| SWAPPING to +9 broad axe "Kosum" {antimagic,
                  | rC+}.
 31204 | D:14     | 31204 ||| SWAPPING to +6 heavy broad axe.
 31205 | D:14     | 31205 ||| SWAPPING to +9 broad axe "Kosum" {antimagic,
                  | rC+}.
 31206 | D:14     | 31206 ||| SWAPPING to +6 heavy broad axe.
 31207 | D:14     | 31207 ||| SWAPPING to +9 broad axe "Kosum" {antimagic,
                  | rC+}.
 31208 | D:14     | 31208 ||| SWAPPING to +6 heavy broad axe.
 31209 | D:14     | 31209 ||| SWAPPING to +9 broad axe "Kosum" {antimagic,
                  | rC+}.
 31210 | D:14     | 31210 ||| SWAPPING to +6 heavy broad axe.
 31211 | D:14     | 31211 ||| SWAPPING to +9 broad axe "Kosum" {antimagic,
                  | rC+}.
 31212 | D:14     | 31212 ||| SWAPPING to +6 heavy broad axe.
 31213 | D:14     | 31213 ||| SWAPPING to +9 broad axe "Kosum" {antimagic,
                  | rC+}.
 31214 | D:14     | 31214 ||| SWAPPING to +6 heavy broad axe.
 31215 | D:14     | 31215 ||| SWAPPING to +9 broad axe "Kosum" {antimagic,
                  | rC+}.
 31216 | D:14     | 31216 ||| SWAPPING to +6 heavy broad axe.
 31217 | D:14     | 31217 ||| SWAPPING to +9 broad axe "Kosum" {antimagic,
                  | rC+}.
 31218 | D:14     | 31218 ||| SWAPPING to +6 heavy broad axe.
 31219 | D:14     | 31219 ||| SWAPPING to +9 broad axe "Kosum" {antimagic,
                  | rC+}.
 31220 | D:14     | 31220 ||| SWAPPING to +6 heavy broad axe.
 31221 | D:14     | 31221 ||| SWAPPING to +9 broad axe "Kosum" {antimagic,
                  | rC+}.
 31222 | D:14     | 31222 ||| SWAPPING to +6 heavy broad axe.
 31223 | D:14     | 31223 ||| SWAPPING to +9 broad axe "Kosum" {antimagic,
                  | rC+}.
 31224 | D:14     | 31224 ||| SWAPPING to +6 heavy broad axe.
 31225 | D:14     | 31225 ||| SWAPPING to +9 broad axe "Kosum" {antimagic,
                  | rC+}.
 31226 | D:14     | 31226 ||| SWAPPING to +6 heavy broad axe.
 31227 | D:14     | 31227 ||| SWAPPING to +9 broad axe "Kosum" {antimagic,
                  | rC+}.
 31228 | D:14     | 31228 ||| SWAPPING to +6 heavy broad axe.
 31229 | D:14     | 31229 ||| SWAPPING to +9 broad axe "Kosum" {antimagic,
                  | rC+}.
 31230 | D:14     | 31230 ||| SWAPPING to +6 heavy broad axe.
 31231 | D:14     | 31231 ||| SWAPPING to +9 broad axe "Kosum" {antimagic,
                  | rC+}.
 31232 | D:14     | 31232 ||| SWAPPING to +6 heavy broad axe.
 31233 | D:14     | 31233 ||| SWAPPING to +9 broad axe "Kosum" {antimagic,
                  | rC+}.
 31234 | D:14     | 31234 ||| SWAPPING to +6 heavy broad axe.
 31235 | D:14     | 31235 ||| SWAPPING to +9 broad axe "Kosum" {antimagic,
                  | rC+}.
 31236 | D:14     | 31236 ||| SWAPPING to +6 heavy broad axe.
 31237 | D:14     | 31237 ||| SWAPPING to +9 broad axe "Kosum" {antimagic,
                  | rC+}.
 31238 | D:14     | 31238 ||| SWAPPING to +6 heavy broad axe.
 31239 | D:14     | 31239 ||| SWAPPING to +9 broad axe "Kosum" {antimagic,
                  | rC+}.
 31240 | D:14     | 31240 ||| SWAPPING to +6 heavy broad axe.
 31241 | D:14     | 31241 ||| SWAPPING to +9 broad axe "Kosum" {antimagic,
                  | rC+}.
 31242 | D:14     | 31242 ||| SWAPPING to +6 heavy broad axe.
 31243 | D:14     | 31243 ||| SWAPPING to +9 broad axe "Kosum" {antimagic,
                  | rC+}.
 31244 | D:14     | 31244 ||| SWAPPING to +6 heavy broad axe.
 31245 | D:14     | 31245 ||| SWAPPING to +9 broad axe "Kosum" {antimagic,
                  | rC+}.
 31246 | D:14     | 31246 ||| SWAPPING to +6 heavy broad axe.
 31247 | D:14     | 31247 ||| SWAPPING to +9 broad axe "Kosum" {antimagic,
                  | rC+}.
 31248 | D:14     | 31248 ||| SWAPPING to +6 heavy broad axe.
 31249 | D:14     | 31249 ||| SWAPPING to +9 broad axe "Kosum" {antimagic,
                  | rC+}.
 31250 | D:14     | 31250 ||| SWAPPING to +6 heavy broad axe.
 31251 | D:14     | 31251 ||| SWAPPING to +9 broad axe "Kosum" {antimagic,
                  | rC+}.
 31252 | D:14     | 31252 ||| SWAPPING to +6 heavy broad axe.
 31253 | D:14     | 31253 ||| SWAPPING to +9 broad axe "Kosum" {antimagic,
                  | rC+}.
 31254 | D:14     | 31254 ||| SWAPPING to +6 heavy broad axe.
 31255 | D:14     | 31255 ||| SWAPPING to +9 broad axe "Kosum" {antimagic,
                  | rC+}.
 31256 | D:14     | 31256 ||| SWAPPING to +6 heavy broad axe.
 31257 | D:14     | 31257 ||| SWAPPING to +9 broad axe "Kosum" {antimagic,
                  | rC+}.
 31258 | D:14     | 31258 ||| SWAPPING to +6 heavy broad axe.
 31259 | D:14     | 31259 ||| SWAPPING to +9 broad axe "Kosum" {antimagic,
                  | rC+}.
 31260 | D:14     | 31260 ||| SWAPPING to +6 heavy broad axe.
 31261 | D:14     | 31261 ||| SWAPPING to +9 broad axe "Kosum" {antimagic,
                  | rC+}.
 31262 | D:14     | 31262 ||| SWAPPING to +6 heavy broad axe.
 31263 | D:14     | 31263 ||| SWAPPING to +9 broad axe "Kosum" {antimagic,
                  | rC+}.
 31264 | D:14     | 31264 ||| SWAPPING to +6 heavy broad axe.
 31265 | D:14     | 31265 ||| SWAPPING to +9 broad axe "Kosum" {antimagic,
                  | rC+}.
 31266 | D:14     | 31266 ||| SWAPPING to +6 heavy broad axe.
 31267 | D:14     | 31267 ||| SWAPPING to +9 broad axe "Kosum" {antimagic,
                  | rC+}.
 31268 | D:14     | 31268 ||| SWAPPING to +6 heavy broad axe.
 31269 | D:14     | 31269 ||| SWAPPING to +9 broad axe "Kosum" {antimagic,
                  | rC+}.
 31270 | D:14     | 31270 ||| SWAPPING to +6 heavy broad axe.
 31271 | D:14     | 31271 ||| SWAPPING to +9 broad axe "Kosum" {antimagic,
                  | rC+}.
 31272 | D:14     | 31272 ||| SWAPPING to +6 heavy broad axe.
 31273 | D:14     | 31273 ||| SWAPPING to +9 broad axe "Kosum" {antimagic,
                  | rC+}.
 31274 | D:14     | 31274 ||| SWAPPING to +6 heavy broad axe.
 31275 | D:14     | 31275 ||| SWAPPING to +9 broad axe "Kosum" {antimagic,
                  | rC+}.
 31276 | D:14     | 31276 ||| SWAPPING to +6 heavy broad axe.
 31277 | D:14     | 31277 ||| SWAPPING to +9 broad axe "Kosum" {antimagic,
                  | rC+}.
 31278 | D:14     | 31278 ||| SWAPPING to +6 heavy broad axe.
 31279 | D:14     | 31279 ||| SWAPPING to +9 broad axe "Kosum" {antimagic,
                  | rC+}.
 31280 | D:14     | 31280 ||| SWAPPING to +6 heavy broad axe.
 31281 | D:14     | 31281 ||| SWAPPING to +9 broad axe "Kosum" {antimagic,
                  | rC+}.
 31282 | D:14     | 31282 ||| SWAPPING to +6 heavy broad axe.
 31283 | D:14     | 31283 ||| SWAPPING to +9 broad axe "Kosum" {antimagic,
                  | rC+}.
 31284 | D:14     | 31284 ||| SWAPPING to +6 heavy broad axe.
 31285 | D:14     | 31285 ||| SWAPPING to +9 broad axe "Kosum" {antimagic,
                  | rC+}.
 31286 | D:14     | 31286 ||| SWAPPING to +6 heavy broad axe.
 31287 | D:14     | 31287 ||| SWAPPING to +9 broad axe "Kosum" {antimagic,
                  | rC+}.
 31288 | D:14     | 31288 ||| SWAPPING to +6 heavy broad axe.
 31289 | D:14     | 31289 ||| SWAPPING to +9 broad axe "Kosum" {antimagic,
                  | rC+}.
 31290 | D:14     | 31290 ||| SWAPPING to +6 heavy broad axe.
 31291 | D:14     | 31291 ||| SWAPPING to +9 broad axe "Kosum" {antimagic,
                  | rC+}.
 31292 | D:14     | 31292 ||| SWAPPING to +6 heavy broad axe.
 31293 | D:14     | 31293 ||| SWAPPING to +9 broad axe "Kosum" {antimagic,
                  | rC+}.
 31294 | D:14     | 31294 ||| SWAPPING to +6 heavy broad axe.
 31295 | D:14     | 31295 ||| SWAPPING to +9 broad axe "Kosum" {antimagic,
                  | rC+}.
 31296 | D:14     | 31296 ||| SWAPPING to +6 heavy broad axe.
 31297 | D:14     | 31297 ||| SWAPPING to +9 broad axe "Kosum" {antimagic,
                  | rC+}.
 31298 | D:14     | 31298 ||| SWAPPING to +6 heavy broad axe.
 31299 | D:14     | 31299 ||| SWAPPING to +9 broad axe "Kosum" {antimagic,
                  | rC+}.
 31300 | D:14     | 31300 ||| SWAPPING to +6 heavy broad axe.
 31301 | D:14     | 31301 ||| SWAPPING to +9 broad axe "Kosum" {antimagic,
                  | rC+}.
 31302 | D:14     | 31302 ||| SWAPPING to +6 heavy broad axe.
 31303 | D:14     | 31303 ||| SWAPPING to +9 broad axe "Kosum" {antimagic,
                  | rC+}.
 31304 | D:14     | 31304 ||| SWAPPING to +6 heavy broad axe.
 31305 | D:14     | 31305 ||| SWAPPING to +9 broad axe "Kosum" {antimagic,
                  | rC+}.
 31306 | D:14     | 31306 ||| SWAPPING to +6 heavy broad axe.
 31307 | D:14     | 31307 ||| SWAPPING to +9 broad axe "Kosum" {antimagic,
                  | rC+}.
 31308 | D:14     | 31308 ||| SWAPPING to +6 heavy broad axe.
 31309 | D:14     | 31309 ||| SWAPPING to +9 broad axe "Kosum" {antimagic,
                  | rC+}.
 31310 | D:14     | 31310 ||| SWAPPING to +6 heavy broad axe.
 31311 | D:14     | 31311 ||| SWAPPING to +9 broad axe "Kosum" {antimagic,
                  | rC+}.
 31312 | D:14     | 31312 ||| SWAPPING to +6 heavy broad axe.
 31313 | D:14     | 31313 ||| SWAPPING to +9 broad axe "Kosum" {antimagic,
                  | rC+}.
 31314 | D:14     | 31314 ||| SWAPPING to +6 heavy broad axe.
 31315 | D:14     | 31315 ||| SWAPPING to +9 broad axe "Kosum" {antimagic,
                  | rC+}.
 31316 | D:14     | 31316 ||| SWAPPING to +6 heavy broad axe.
 31317 | D:14     | 31317 ||| SWAPPING to +9 broad axe "Kosum" {antimagic,
                  | rC+}.
 31318 | D:14     | 31318 ||| SWAPPING to +6 heavy broad axe.
 31319 | D:14     | 31319 ||| SWAPPING to +9 broad axe "Kosum" {antimagic,
                  | rC+}.
 31320 | D:14     | 31320 ||| SWAPPING to +6 heavy broad axe.
 31321 | D:14     | 31321 ||| SWAPPING to +9 broad axe "Kosum" {antimagic,
                  | rC+}.
 31322 | D:14     | 31322 ||| SWAPPING to +6 heavy broad axe.
 31323 | D:14     | 31323 ||| SWAPPING to +9 broad axe "Kosum" {antimagic,
                  | rC+}.
 31324 | D:14     | 31324 ||| SWAPPING to +6 heavy broad axe.
 31325 | D:14     | 31325 ||| SWAPPING to +9 broad axe "Kosum" {antimagic,
                  | rC+}.
 31326 | D:14     | 31326 ||| SWAPPING to +6 heavy broad axe.
 31327 | D:14     | 31327 ||| SWAPPING to +9 broad axe "Kosum" {antimagic,
                  | rC+}.
 31328 | D:14     | 31328 ||| SWAPPING to +6 heavy broad axe.
 31329 | D:14     | 31329 ||| SWAPPING to +9 broad axe "Kosum" {antimagic,
                  | rC+}.
 31330 | D:14     | 31330 ||| SWAPPING to +6 heavy broad axe.
 31331 | D:14     | 31331 ||| SWAPPING to +9 broad axe "Kosum" {antimagic,
                  | rC+}.
 31332 | D:14     | 31332 ||| SWAPPING to +6 heavy broad axe.
 31333 | D:14     | 31333 ||| SWAPPING to +9 broad axe "Kosum" {antimagic,
                  | rC+}.
 31334 | D:14     | 31334 ||| SWAPPING to +6 heavy broad axe.
 31335 | D:14     | 31335 ||| SWAPPING to +9 broad axe "Kosum" {antimagic,
                  | rC+}.
 31336 | D:14     | 31336 ||| SWAPPING to +6 heavy broad axe.
 31337 | D:14     | 31337 ||| SWAPPING to +9 broad axe "Kosum" {antimagic,
                  | rC+}.
 31338 | D:14     | 31338 ||| SWAPPING to +6 heavy broad axe.
 31339 | D:14     | 31339 ||| SWAPPING to +9 broad axe "Kosum" {antimagic,
                  | rC+}.
 31340 | D:14     | 31340 ||| SWAPPING to +6 heavy broad axe.
 31341 | D:14     | 31341 ||| SWAPPING to +9 broad axe "Kosum" {antimagic,
                  | rC+}.
 31342 | D:14     | 31342 ||| SWAPPING to +6 heavy broad axe.
 31343 | D:14     | 31343 ||| SWAPPING to +9 broad axe "Kosum" {antimagic,
                  | rC+}.
 31344 | D:14     | 31344 ||| SWAPPING to +6 heavy broad axe.
 31345 | D:14     | 31345 ||| SWAPPING to +9 broad axe "Kosum" {antimagic,
                  | rC+}.
 31346 | D:14     | 31346 ||| SWAPPING to +6 heavy broad axe.
 31347 | D:14     | 31347 ||| SWAPPING to +9 broad axe "Kosum" {antimagic,
                  | rC+}.
 31348 | D:14     | 31348 ||| SWAPPING to +6 heavy broad axe.
 31349 | D:14     | 31349 ||| SWAPPING to +9 broad axe "Kosum" {antimagic,
                  | rC+}.
 31350 | D:14     | 31350 ||| SWAPPING to +6 heavy broad axe.
 31351 | D:14     | 31351 ||| SWAPPING to +9 broad axe "Kosum" {antimagic,
                  | rC+}.
 31352 | D:14     | 31352 ||| SWAPPING to +6 heavy broad axe.
 31353 | D:14     | 31353 ||| SWAPPING to +9 broad axe "Kosum" {antimagic,
                  | rC+}.
 31354 | D:14     | 31354 ||| SWAPPING to +6 heavy broad axe.
 31355 | D:14     | 31355 ||| SWAPPING to +9 broad axe "Kosum" {antimagic,
                  | rC+}.
 31356 | D:14     | 31356 ||| SWAPPING to +6 heavy broad axe.
 31357 | D:14     | 31357 ||| SWAPPING to +9 broad axe "Kosum" {antimagic,
                  | rC+}.
 31358 | D:14     | 31358 ||| SWAPPING to +6 heavy broad axe.
 31359 | D:14     | 31359 ||| SWAPPING to +9 broad axe "Kosum" {antimagic,
                  | rC+}.
 31360 | D:14     | 31360 ||| SWAPPING to +6 heavy broad axe.
 31361 | D:14     | 31361 ||| SWAPPING to +9 broad axe "Kosum" {antimagic,
                  | rC+}.
 31362 | D:14     | 31362 ||| SWAPPING to +6 heavy broad axe.
 31363 | D:14     | 31363 ||| SWAPPING to +9 broad axe "Kosum" {antimagic,
                  | rC+}.
 31364 | D:14     | 31364 ||| SWAPPING to +6 heavy broad axe.
 31365 | D:14     | 31365 ||| SWAPPING to +9 broad axe "Kosum" {antimagic,
                  | rC+}.
 31366 | D:14     | 31366 ||| SWAPPING to +6 heavy broad axe.
 31367 | D:14     | 31367 ||| SWAPPING to +9 broad axe "Kosum" {antimagic,
                  | rC+}.
 31368 | D:14     | 31368 ||| SWAPPING to +6 heavy broad axe.
 31369 | D:14     | 31369 ||| SWAPPING to +9 broad axe "Kosum" {antimagic,
                  | rC+}.
 31370 | D:14     | 31370 ||| SWAPPING to +6 heavy broad axe.
 31371 | D:14     | 31371 ||| SWAPPING to +9 broad axe "Kosum" {antimagic,
                  | rC+}.
 31372 | D:14     | 31372 ||| SWAPPING to +6 heavy broad axe.
 31373 | D:14     | 31373 ||| SWAPPING to +9 broad axe "Kosum" {antimagic,
                  | rC+}.
 31374 | D:14     | 31374 ||| SWAPPING to +6 heavy broad axe.
 31375 | D:14     | 31375 ||| SWAPPING to +9 broad axe "Kosum" {antimagic,
                  | rC+}.
 31376 | D:14     | 31376 ||| SWAPPING to +6 heavy broad axe.
 31377 | D:14     | 31377 ||| SWAPPING to +9 broad axe "Kosum" {antimagic,
                  | rC+}.
 31378 | D:14     | 31378 ||| SWAPPING to +6 heavy broad axe.
 31379 | D:14     | 31379 ||| SWAPPING to +9 broad axe "Kosum" {antimagic,
                  | rC+}.
 31380 | D:14     | 31380 ||| SWAPPING to +6 heavy broad axe.
 31381 | D:14     | 31381 ||| SWAPPING to +9 broad axe "Kosum" {antimagic,
                  | rC+}.
 31382 | D:14     | 31382 ||| SWAPPING to +6 heavy broad axe.
 31383 | D:14     | 31383 ||| SWAPPING to +9 broad axe "Kosum" {antimagic,
                  | rC+}.
 31384 | D:14     | 31384 ||| SWAPPING to +6 heavy broad axe.
 31385 | D:14     | 31385 ||| SWAPPING to +9 broad axe "Kosum" {antimagic,
                  | rC+}.
 31386 | D:14     | 31386 ||| SWAPPING to +6 heavy broad axe.
 31387 | D:14     | 31387 ||| SWAPPING to +9 broad axe "Kosum" {antimagic,
                  | rC+}.
 31388 | D:14     | 31388 ||| SWAPPING to +6 heavy broad axe.
 31389 | D:14     | 31389 ||| SWAPPING to +9 broad axe "Kosum" {antimagic,
                  | rC+}.
 31390 | D:14     | 31390 ||| SWAPPING to +6 heavy broad axe.
 31391 | D:14     | 31391 ||| SWAPPING to +9 broad axe "Kosum" {antimagic,
                  | rC+}.
 31392 | D:14     | 31392 ||| SWAPPING to +6 heavy broad axe.
 31393 | D:14     | 31393 ||| SWAPPING to +9 broad axe "Kosum" {antimagic,
                  | rC+}.
 31394 | D:14     | 31394 ||| SWAPPING to +6 heavy broad axe.
 31395 | D:14     | 31395 ||| SWAPPING to +9 broad axe "Kosum" {antimagic,
                  | rC+}.
 31396 | D:14     | 31396 ||| SWAPPING to +6 heavy broad axe.
 31397 | D:14     | 31397 ||| SWAPPING to +9 broad axe "Kosum" {antimagic,
                  | rC+}.
 31398 | D:14     | 31398 ||| SWAPPING to +6 heavy broad axe.
 31399 | D:14     | 31399 ||| SWAPPING to +9 broad axe "Kosum" {antimagic,
                  | rC+}.
 31400 | D:14     | 31400 ||| SWAPPING to +6 heavy broad axe.
 31401 | D:14     | 31401 ||| SWAPPING to +9 broad axe "Kosum" {antimagic,
                  | rC+}.
 31402 | D:14     | 31402 ||| SWAPPING to +6 heavy broad axe.
 31403 | D:14     | 31403 ||| SWAPPING to +9 broad axe "Kosum" {antimagic,
                  | rC+}.
 31404 | D:14     | 31404 ||| SWAPPING to +6 heavy broad axe.
 31405 | D:14     | 31405 ||| SWAPPING to +9 broad axe "Kosum" {antimagic,
                  | rC+}.
 31406 | D:14     | 31406 ||| SWAPPING to +6 heavy broad axe.
 31407 | D:14     | 31407 ||| SWAPPING to +9 broad axe "Kosum" {antimagic,
                  | rC+}.
 31408 | D:14     | 31408 ||| SWAPPING to +6 heavy broad axe.
 31409 | D:14     | 31409 ||| SWAPPING to +9 broad axe "Kosum" {antimagic,
                  | rC+}.
 31410 | D:14     | 31410 ||| SWAPPING to +6 heavy broad axe.
 31411 | D:14     | 31411 ||| SWAPPING to +9 broad axe "Kosum" {antimagic,
                  | rC+}.
 31412 | D:14     | 31412 ||| SWAPPING to +6 heavy broad axe.
 31413 | D:14     | 31413 ||| SWAPPING to +9 broad axe "Kosum" {antimagic,
                  | rC+}.
 31414 | D:14     | 31414 ||| SWAPPING to +6 heavy broad axe.
 31415 | D:14     | 31415 ||| SWAPPING to +9 broad axe "Kosum" {antimagic,
                  | rC+}.
 31416 | D:14     | 31416 ||| SWAPPING to +6 heavy broad axe.
 31417 | D:14     | 31417 ||| SWAPPING to +9 broad axe "Kosum" {antimagic,
                  | rC+}.
 31418 | D:14     | 31418 ||| SWAPPING to +6 heavy broad axe.
 31419 | D:14     | 31419 ||| SWAPPING to +9 broad axe "Kosum" {antimagic,
                  | rC+}.
 31420 | D:14     | 31420 ||| SWAPPING to +6 heavy broad axe.
 31421 | D:14     | 31421 ||| SWAPPING to +9 broad axe "Kosum" {antimagic,
                  | rC+}.
 31422 | D:14     | 31422 ||| SWAPPING to +6 heavy broad axe.
 31423 | D:14     | 31423 ||| SWAPPING to +9 broad axe "Kosum" {antimagic,
                  | rC+}.
 31424 | D:14     | 31424 ||| SWAPPING to +6 heavy broad axe.
 31425 | D:14     | 31425 ||| SWAPPING to +9 broad axe "Kosum" {antimagic,
                  | rC+}.
 31426 | D:14     | 31426 ||| SWAPPING to +6 heavy broad axe.
 31427 | D:14     | 31427 ||| SWAPPING to +9 broad axe "Kosum" {antimagic,
                  | rC+}.
 31428 | D:14     | 31428 ||| SWAPPING to +6 heavy broad axe.
 31429 | D:14     | 31429 ||| SWAPPING to +9 broad axe "Kosum" {antimagic,
                  | rC+}.
 31430 | D:14     | 31430 ||| SWAPPING to +6 heavy broad axe.
 31431 | D:14     | 31431 ||| SWAPPING to +9 broad axe "Kosum" {antimagic,
                  | rC+}.
 31432 | D:14     | 31432 ||| SWAPPING to +6 heavy broad axe.
 31433 | D:14     | 31433 ||| SWAPPING to +9 broad axe "Kosum" {antimagic,
                  | rC+}.
 31434 | D:14     | 31434 ||| SWAPPING to +6 heavy broad axe.
 31435 | D:14     | 31435 ||| SWAPPING to +9 broad axe "Kosum" {antimagic,
                  | rC+}.
 31436 | D:14     | 31436 ||| SWAPPING to +6 heavy broad axe.
 31437 | D:14     | 31437 ||| SWAPPING to +9 broad axe "Kosum" {antimagic,
                  | rC+}.
 31438 | D:14     | 31438 ||| SWAPPING to +6 heavy broad axe.
 31439 | D:14     | 31439 ||| SWAPPING to +9 broad axe "Kosum" {antimagic,
                  | rC+}.
 31440 | D:14     | 31440 ||| SWAPPING to +6 heavy broad axe.
 31441 | D:14     | 31441 ||| SWAPPING to +9 broad axe "Kosum" {antimagic,
                  | rC+}.
 31442 | D:14     | 31442 ||| SWAPPING to +6 heavy broad axe.
 31443 | D:14     | 31443 ||| SWAPPING to +9 broad axe "Kosum" {antimagic,
                  | rC+}.
 31444 | D:14     | 31444 ||| SWAPPING to +6 heavy broad axe.
 31445 | D:14     | 31445 ||| SWAPPING to +9 broad axe "Kosum" {antimagic,
                  | rC+}.
 31446 | D:14     | 31446 ||| SWAPPING to +6 heavy broad axe.
 31447 | D:14     | 31447 ||| SWAPPING to +9 broad axe "Kosum" {antimagic,
                  | rC+}.
 31448 | D:14     | 31448 ||| SWAPPING to +6 heavy broad axe.
 31449 | D:14     | 31449 ||| SWAPPING to +9 broad axe "Kosum" {antimagic,
                  | rC+}.
 31450 | D:14     | 31450 ||| SWAPPING to +6 heavy broad axe.
 31451 | D:14     | 31451 ||| SWAPPING to +9 broad axe "Kosum" {antimagic,
                  | rC+}.
 31452 | D:14     | 31452 ||| SWAPPING to +6 heavy broad axe.
 31453 | D:14     | 31453 ||| SWAPPING to +9 broad axe "Kosum" {antimagic,
                  | rC+}.
 31454 | D:14     | 31454 ||| SWAPPING to +6 heavy broad axe.
 31455 | D:14     | 31455 ||| SWAPPING to +9 broad axe "Kosum" {antimagic,
                  | rC+}.
 31456 | D:14     | 31456 ||| SWAPPING to +6 heavy broad axe.
 31457 | D:14     | 31457 ||| SWAPPING to +9 broad axe "Kosum" {antimagic,
                  | rC+}.
 31458 | D:14     | 31458 ||| SWAPPING to +6 heavy broad axe.
 31459 | D:14     | 31459 ||| SWAPPING to +9 broad axe "Kosum" {antimagic,
                  | rC+}.
 31460 | D:14     | 31460 ||| SWAPPING to +6 heavy broad axe.
 31461 | D:14     | 31461 ||| SWAPPING to +9 broad axe "Kosum" {antimagic,
                  | rC+}.
 31462 | D:14     | 31462 ||| SWAPPING to +6 heavy broad axe.
 31463 | D:14     | 31463 ||| SWAPPING to +9 broad axe "Kosum" {antimagic,
                  | rC+}.
 31464 | D:14     | 31464 ||| SWAPPING to +6 heavy broad axe.
 31465 | D:14     | 31465 ||| SWAPPING to +9 broad axe "Kosum" {antimagic,
                  | rC+}.
 31466 | D:14     | 31466 ||| SWAPPING to +6 heavy broad axe.
 31467 | D:14     | 31467 ||| SWAPPING to +9 broad axe "Kosum" {antimagic,
                  | rC+}.
 31468 | D:14     | 31468 ||| SWAPPING to +6 heavy broad axe.
 31469 | D:14     | 31469 ||| SWAPPING to +9 broad axe "Kosum" {antimagic,
                  | rC+}.
 31470 | D:14     | 31470 ||| SWAPPING to +6 heavy broad axe.
 31471 | D:14     | 31471 ||| SWAPPING to +9 broad axe "Kosum" {antimagic,
                  | rC+}.
 31472 | D:14     | 31472 ||| SWAPPING to +6 heavy broad axe.
 31473 | D:14     | 31473 ||| SWAPPING to +9 broad axe "Kosum" {antimagic,
                  | rC+}.
 31474 | D:14     | 31474 ||| SWAPPING to +6 heavy broad axe.
 31475 | D:14     | 31475 ||| SWAPPING to +9 broad axe "Kosum" {antimagic,
                  | rC+}.
 31476 | D:14     | 31476 ||| SWAPPING to +6 heavy broad axe.
 31477 | D:14     | 31477 ||| SWAPPING to +9 broad axe "Kosum" {antimagic,
                  | rC+}.
 31478 | D:14     | 31478 ||| SWAPPING to +6 heavy broad axe.
 31479 | D:14     | 31479 ||| SWAPPING to +9 broad axe "Kosum" {antimagic,
                  | rC+}.
 31480 | D:14     | 31480 ||| SWAPPING to +6 heavy broad axe.
 31481 | D:14     | 31481 ||| SWAPPING to +9 broad axe "Kosum" {antimagic,
                  | rC+}.
 31482 | D:14     | 31482 ||| SWAPPING to +6 heavy broad axe.
 31483 | D:14     | 31483 ||| SWAPPING to +9 broad axe "Kosum" {antimagic,
                  | rC+}.
 31484 | D:14     | 31484 ||| SWAPPING to +6 heavy broad axe.
 31485 | D:14     | 31485 ||| SWAPPING to +9 broad axe "Kosum" {antimagic,
                  | rC+}.
 31486 | D:14     | 31486 ||| SWAPPING to +6 heavy broad axe.
 31487 | D:14     | 31487 ||| SWAPPING to +9 broad axe "Kosum" {antimagic,
                  | rC+}.
 31488 | D:14     | 31488 ||| SWAPPING to +6 heavy broad axe.
 31489 | D:14     | 31489 ||| SWAPPING to +9 broad axe "Kosum" {antimagic,
                  | rC+}.
 31490 | D:14     | 31490 ||| SWAPPING to +6 heavy broad axe.
 31491 | D:14     | 31491 ||| SWAPPING to +9 broad axe "Kosum" {antimagic,
                  | rC+}.
 31492 | D:14     | 31492 ||| SWAPPING to +6 heavy broad axe.
 31493 | D:14     | 31493 ||| SWAPPING to +9 broad axe "Kosum" {antimagic,
                  | rC+}.
 31494 | D:14     | 31494 ||| SWAPPING to +6 heavy broad axe.
 31495 | D:14     | 31495 ||| SWAPPING to +9 broad axe "Kosum" {antimagic,
                  | rC+}.
 31496 | D:14     | 31496 ||| SWAPPING to +6 heavy broad axe.
 31497 | D:14     | 31497 ||| SWAPPING to +9 broad axe "Kosum" {antimagic,
                  | rC+}.
 31498 | D:14     | 31498 ||| SWAPPING to +6 heavy broad axe.
 31499 | D:14     | 31499 ||| SWAPPING to +9 broad axe "Kosum" {antimagic,
                  | rC+}.
 31500 | D:14     | 31500 ||| SWAPPING to +6 heavy broad axe.
 31501 | D:14     | 31501 ||| SWAPPING to +9 broad axe "Kosum" {antimagic,
                  | rC+}.
 31502 | D:14     | 31502 ||| SWAPPING to +6 heavy broad axe.
 31503 | D:14     | 31503 ||| SWAPPING to +9 broad axe "Kosum" {antimagic,
                  | rC+}.
 31504 | D:14     | 31504 ||| SWAPPING to +6 heavy broad axe.
 31505 | D:14     | 31505 ||| SWAPPING to +9 broad axe "Kosum" {antimagic,
                  | rC+}.
 31506 | D:14     | 31506 ||| SWAPPING to +6 heavy broad axe.
 31507 | D:14     | 31507 ||| SWAPPING to +9 broad axe "Kosum" {antimagic,
                  | rC+}.
 31508 | D:14     | 31508 ||| SWAPPING to +6 heavy broad axe.
 31509 | D:14     | 31509 ||| SWAPPING to +9 broad axe "Kosum" {antimagic,
                  | rC+}.
 31510 | D:14     | 31510 ||| SWAPPING to +6 heavy broad axe.
 31511 | D:14     | 31511 ||| SWAPPING to +9 broad axe "Kosum" {antimagic,
                  | rC+}.
 31512 | D:14     | 31512 ||| SWAPPING to +6 heavy broad axe.
 31513 | D:14     | 31513 ||| SWAPPING to +9 broad axe "Kosum" {antimagic,
                  | rC+}.
 31514 | D:14     | 31514 ||| SWAPPING to +6 heavy broad axe.
 31515 | D:14     | 31515 ||| SWAPPING to +9 broad axe "Kosum" {antimagic,
                  | rC+}.
 31516 | D:14     | 31516 ||| SWAPPING to +6 heavy broad axe.
 31517 | D:14     | 31517 ||| SWAPPING to +9 broad axe "Kosum" {antimagic,
                  | rC+}.
 31518 | D:14     | 31518 ||| SWAPPING to +6 heavy broad axe.
 31519 | D:14     | 31519 ||| SWAPPING to +9 broad axe "Kosum" {antimagic,
                  | rC+}.
 31520 | D:14     | 31520 ||| SWAPPING to +6 heavy broad axe.
 31521 | D:14     | 31521 ||| SWAPPING to +9 broad axe "Kosum" {antimagic,
                  | rC+}.
 31522 | D:14     | 31522 ||| SWAPPING to +6 heavy broad axe.
 31523 | D:14     | 31523 ||| SWAPPING to +9 broad axe "Kosum" {antimagic,
                  | rC+}.
 31524 | D:14     | 31524 ||| SWAPPING to +6 heavy broad axe.
 31525 | D:14     | 31525 ||| SWAPPING to +9 broad axe "Kosum" {antimagic,
                  | rC+}.
 31526 | D:14     | 31526 ||| SWAPPING to +6 heavy broad axe.
 31527 | D:14     | 31527 ||| SWAPPING to +9 broad axe "Kosum" {antimagic,
                  | rC+}.
 31528 | D:14     | 31528 ||| SWAPPING to +6 heavy broad axe.
 31529 | D:14     | 31529 ||| SWAPPING to +9 broad axe "Kosum" {antimagic,
                  | rC+}.
 31530 | D:14     | 31530 ||| SWAPPING to +6 heavy broad axe.
 31531 | D:14     | 31531 ||| SWAPPING to +9 broad axe "Kosum" {antimagic,
                  | rC+}.
 31532 | D:14     | 31532 ||| SWAPPING to +6 heavy broad axe.
 31533 | D:14     | 31533 ||| SWAPPING to +9 broad axe "Kosum" {antimagic,
                  | rC+}.
 31534 | D:14     | 31534 ||| SWAPPING to +6 heavy broad axe.
 31535 | D:14     | 31535 ||| SWAPPING to +9 broad axe "Kosum" {antimagic,
                  | rC+}.
 31536 | D:14     | 31536 ||| SWAPPING to +6 heavy broad axe.
 31537 | D:14     | 31537 ||| SWAPPING to +9 broad axe "Kosum" {antimagic,
                  | rC+}.
 31538 | D:14     | 31538 ||| SWAPPING to +6 heavy broad axe.
 31539 | D:14     | 31539 ||| SWAPPING to +9 broad axe "Kosum" {antimagic,
                  | rC+}.
 31540 | D:14     | 31540 ||| SWAPPING to +6 heavy broad axe.
 31541 | D:14     | 31541 ||| SWAPPING to +9 broad axe "Kosum" {antimagic,
                  | rC+}.
 31542 | D:14     | 31542 ||| SWAPPING to +6 heavy broad axe.
 31543 | D:14     | 31543 ||| SWAPPING to +9 broad axe "Kosum" {antimagic,
                  | rC+}.
 31544 | D:14     | 31544 ||| SWAPPING to +6 heavy broad axe.
 31545 | D:14     | 31545 ||| SWAPPING to +9 broad axe "Kosum" {antimagic,
                  | rC+}.
 31546 | D:14     | 31546 ||| SWAPPING to +6 heavy broad axe.
 31547 | D:14     | 31547 ||| SWAPPING to +9 broad axe "Kosum" {antimagic,
                  | rC+}.
 31548 | D:14     | 31548 ||| SWAPPING to +6 heavy broad axe.
 31549 | D:14     | 31549 ||| SWAPPING to +9 broad axe "Kosum" {antimagic,
                  | rC+}.
 31550 | D:14     | 31550 ||| SWAPPING to +6 heavy broad axe.
 31551 | D:14     | 31551 ||| SWAPPING to +9 broad axe "Kosum" {antimagic,
                  | rC+}.
 31552 | D:14     | 31552 ||| SWAPPING to +6 heavy broad axe.
 31553 | D:14     | 31553 ||| SWAPPING to +9 broad axe "Kosum" {antimagic,
                  | rC+}.
 31554 | D:14     | 31554 ||| SWAPPING to +6 heavy broad axe.
 31555 | D:14     | 31555 ||| SWAPPING to +9 broad axe "Kosum" {antimagic,
                  | rC+}.
 31556 | D:14     | 31556 ||| SWAPPING to +6 heavy broad axe.
 31557 | D:14     | 31557 ||| SWAPPING to +9 broad axe "Kosum" {antimagic,
                  | rC+}.
 31558 | D:14     | 31558 ||| SWAPPING to +6 heavy broad axe.
 31559 | D:14     | 31559 ||| SWAPPING to +9 broad axe "Kosum" {antimagic,
                  | rC+}.
 31560 | D:14     | 31560 ||| SWAPPING to +6 heavy broad axe.
 31561 | D:14     | 31561 ||| SWAPPING to +9 broad axe "Kosum" {antimagic,
                  | rC+}.
 31562 | D:14     | 31562 ||| SWAPPING to +6 heavy broad axe.
 31563 | D:14     | 31563 ||| SWAPPING to +9 broad axe "Kosum" {antimagic,
                  | rC+}.
 31564 | D:14     | 31564 ||| SWAPPING to +6 heavy broad axe.
 31565 | D:14     | 31565 ||| SWAPPING to +9 broad axe "Kosum" {antimagic,
                  | rC+}.
 31566 | D:14     | 31566 ||| SWAPPING to +6 heavy broad axe.
 31567 | D:14     | 31567 ||| SWAPPING to +9 broad axe "Kosum" {antimagic,
                  | rC+}.
 31568 | D:14     | 31568 ||| SWAPPING to +6 heavy broad axe.
 31569 | D:14     | 31569 ||| SWAPPING to +9 broad axe "Kosum" {antimagic,
                  | rC+}.
 31570 | D:14     | 31570 ||| SWAPPING to +6 heavy broad axe.
 31571 | D:14     | 31571 ||| SWAPPING to +9 broad axe "Kosum" {antimagic,
                  | rC+}.
 31572 | D:14     | 31572 ||| SWAPPING to +6 heavy broad axe.
 31573 | D:14     | 31573 ||| SWAPPING to +9 broad axe "Kosum" {antimagic,
                  | rC+}.
 31574 | D:14     | 31574 ||| SWAPPING to +6 heavy broad axe.
 31575 | D:14     | 31575 ||| SWAPPING to +9 broad axe "Kosum" {antimagic,
                  | rC+}.
 31576 | D:14     | 31576 ||| SWAPPING to +6 heavy broad axe.
 31577 | D:14     | 31577 ||| SWAPPING to +9 broad axe "Kosum" {antimagic,
                  | rC+}.
 31578 | D:14     | 31578 ||| SWAPPING to +6 heavy broad axe.
 31579 | D:14     | 31579 ||| SWAPPING to +9 broad axe "Kosum" {antimagic,
                  | rC+}.
 31580 | D:14     | 31580 ||| SWAPPING to +6 heavy broad axe.
 31581 | D:14     | 31581 ||| SWAPPING to +9 broad axe "Kosum" {antimagic,
                  | rC+}.
 31582 | D:14     | 31582 ||| SWAPPING to +6 heavy broad axe.
 31583 | D:14     | 31583 ||| SWAPPING to +9 broad axe "Kosum" {antimagic,
                  | rC+}.
 31584 | D:14     | 31584 ||| SWAPPING to +6 heavy broad axe.
 31585 | D:14     | 31585 ||| SWAPPING to +9 broad axe "Kosum" {antimagic,
                  | rC+}.
 31586 | D:14     | 31586 ||| SWAPPING to +6 heavy broad axe.
 31587 | D:14     | 31587 ||| SWAPPING to +9 broad axe "Kosum" {antimagic,
                  | rC+}.
 31588 | D:14     | 31588 ||| SWAPPING to +6 heavy broad axe.
 31589 | D:14     | 31589 ||| SWAPPING to +9 broad axe "Kosum" {antimagic,
                  | rC+}.
 31590 | D:14     | 31590 ||| SWAPPING to +6 heavy broad axe.
 31591 | D:14     | 31591 ||| SWAPPING to +9 broad axe "Kosum" {antimagic,
                  | rC+}.
 31592 | D:14     | 31592 ||| SWAPPING to +6 heavy broad axe.
 31593 | D:14     | 31593 ||| SWAPPING to +9 broad axe "Kosum" {antimagic,
                  | rC+}.
 31594 | D:14     | 31594 ||| SWAPPING to +6 heavy broad axe.
 31595 | D:14     | 31595 ||| SWAPPING to +9 broad axe "Kosum" {antimagic,
                  | rC+}.
 31596 | D:14     | 31596 ||| SWAPPING to +6 heavy broad axe.
 31597 | D:14     | 31597 ||| SWAPPING to +9 broad axe "Kosum" {antimagic,
                  | rC+}.
 31598 | D:14     | 31598 ||| SWAPPING to +6 heavy broad axe.
 31599 | D:14     | 31599 ||| SWAPPING to +9 broad axe "Kosum" {antimagic,
                  | rC+}.
 31600 | D:14     | 31600 ||| SWAPPING to +6 heavy broad axe.
 31601 | D:14     | 31601 ||| SWAPPING to +9 broad axe "Kosum" {antimagic,
                  | rC+}.
 31602 | D:14     | 31602 ||| SWAPPING to +6 heavy broad axe.
 31603 | D:14     | 31603 ||| SWAPPING to +9 broad axe "Kosum" {antimagic,
                  | rC+}.
 31604 | D:14     | 31604 ||| SWAPPING to +6 heavy broad axe.
 31605 | D:14     | 31605 ||| SWAPPING to +9 broad axe "Kosum" {antimagic,
                  | rC+}.
 31606 | D:14     | 31606 ||| SWAPPING to +6 heavy broad axe.
 31607 | D:14     | 31607 ||| SWAPPING to +9 broad axe "Kosum" {antimagic,
                  | rC+}.
 31608 | D:14     | 31608 ||| SWAPPING to +6 heavy broad axe.
 31609 | D:14     | 31609 ||| SWAPPING to +9 broad axe "Kosum" {antimagic,
                  | rC+}.
 31610 | D:14     | 31610 ||| SWAPPING to +6 heavy broad axe.
 31611 | D:14     | 31611 ||| SWAPPING to +9 broad axe "Kosum" {antimagic,
                  | rC+}.
 31612 | D:14     | 31612 ||| SWAPPING to +6 heavy broad axe.
 31613 | D:14     | 31613 ||| SWAPPING to +9 broad axe "Kosum" {antimagic,
                  | rC+}.
 31614 | D:14     | 31614 ||| SWAPPING to +6 heavy broad axe.
 31615 | D:14     | 31615 ||| SWAPPING to +9 broad axe "Kosum" {antimagic,
                  | rC+}.
 31616 | D:14     | 31616 ||| SWAPPING to +6 heavy broad axe.
 31617 | D:14     | 31617 ||| SWAPPING to +9 broad axe "Kosum" {antimagic,
                  | rC+}.
 31618 | D:14     | 31618 ||| SWAPPING to +6 heavy broad axe.
 31619 | D:14     | 31619 ||| SWAPPING to +9 broad axe "Kosum" {antimagic,
                  | rC+}.
 31620 | D:14     | 31620 ||| SWAPPING to +6 heavy broad axe.
 31621 | D:14     | 31621 ||| SWAPPING to +9 broad axe "Kosum" {antimagic,
                  | rC+}.
 31622 | D:14     | 31622 ||| SWAPPING to +6 heavy broad axe.
 31623 | D:14     | 31623 ||| SWAPPING to +9 broad axe "Kosum" {antimagic,
                  | rC+}.
 31624 | D:14     | 31624 ||| SWAPPING to +6 heavy broad axe.
 31625 | D:14     | 31625 ||| SWAPPING to +9 broad axe "Kosum" {antimagic,
                  | rC+}.
 31626 | D:14     | 31626 ||| SWAPPING to +6 heavy broad axe.
 31627 | D:14     | 31627 ||| SWAPPING to +9 broad axe "Kosum" {antimagic,
                  | rC+}.
 31628 | D:14     | 31628 ||| SWAPPING to +6 heavy broad axe.
 31629 | D:14     | 31629 ||| SWAPPING to +9 broad axe "Kosum" {antimagic,
                  | rC+}.
 31630 | D:14     | 31630 ||| SWAPPING to +6 heavy broad axe.
 31631 | D:14     | 31631 ||| SWAPPING to +9 broad axe "Kosum" {antimagic,
                  | rC+}.
 31632 | D:14     | 31632 ||| SWAPPING to +6 heavy broad axe.
 31633 | D:14     | 31633 ||| SWAPPING to +9 broad axe "Kosum" {antimagic,
                  | rC+}.
 31634 | D:14     | 31634 ||| SWAPPING to +6 heavy broad axe.
 31635 | D:14     | 31635 ||| SWAPPING to +9 broad axe "Kosum" {antimagic,
                  | rC+}.
 31636 | D:14     | 31636 ||| SWAPPING to +6 heavy broad axe.
 31637 | D:14     | 31637 ||| SWAPPING to +9 broad axe "Kosum" {antimagic,
                  | rC+}.
 31638 | D:14     | 31638 ||| SWAPPING to +6 heavy broad axe.
 31639 | D:14     | 31639 ||| SWAPPING to +9 broad axe "Kosum" {antimagic,
                  | rC+}.
 31640 | D:14     | 31640 ||| SWAPPING to +6 heavy broad axe.
 31641 | D:14     | 31641 ||| SWAPPING to +9 broad axe "Kosum" {antimagic,
                  | rC+}.
 31642 | D:14     | 31642 ||| SWAPPING to +6 heavy broad axe.
 31643 | D:14     | 31643 ||| SWAPPING to +9 broad axe "Kosum" {antimagic,
                  | rC+}.
 31644 | D:14     | 31644 ||| SWAPPING to +6 heavy broad axe.
 31645 | D:14     | 31645 ||| SWAPPING to +9 broad axe "Kosum" {antimagic,
                  | rC+}.
 31646 | D:14     | 31646 ||| SWAPPING to +6 heavy broad axe.
 31647 | D:14     | 31647 ||| SWAPPING to +9 broad axe "Kosum" {antimagic,
                  | rC+}.
 31648 | D:14     | 31648 ||| SWAPPING to +6 heavy broad axe.
 31649 | D:14     | 31649 ||| SWAPPING to +9 broad axe "Kosum" {antimagic,
                  | rC+}.
 31650 | D:14     | 31650 ||| SWAPPING to +6 heavy broad axe.
 31651 | D:14     | 31651 ||| SWAPPING to +9 broad axe "Kosum" {antimagic,
                  | rC+}.
 31652 | D:14     | 31652 ||| SWAPPING to +6 heavy broad axe.
 31653 | D:14     | 31653 ||| SWAPPING to +9 broad axe "Kosum" {antimagic,
                  | rC+}.
 31654 | D:14     | 31654 ||| SWAPPING to +6 heavy broad axe.
 31655 | D:14     | 31655 ||| SWAPPING to +9 broad axe "Kosum" {antimagic,
                  | rC+}.
 31656 | D:14     | 31656 ||| SWAPPING to +6 heavy broad axe.
 31657 | D:14     | 31657 ||| SWAPPING to +9 broad axe "Kosum" {antimagic,
                  | rC+}.
 31658 | D:14     | 31658 ||| SWAPPING to +6 heavy broad axe.
 31659 | D:14     | 31659 ||| SWAPPING to +9 broad axe "Kosum" {antimagic,
                  | rC+}.
 31660 | D:14     | 31660 ||| SWAPPING to +6 heavy broad axe.
 31661 | D:14     | 31661 ||| SWAPPING to +9 broad axe "Kosum" {antimagic,
                  | rC+}.
 31662 | D:14     | 31662 ||| SWAPPING to +6 heavy broad axe.
 31663 | D:14     | 31663 ||| SWAPPING to +9 broad axe "Kosum" {antimagic,
                  | rC+}.
 31664 | D:14     | 31664 ||| SWAPPING to +6 heavy broad axe.
 31665 | D:14     | 31665 ||| SWAPPING to +9 broad axe "Kosum" {antimagic,
                  | rC+}.
 31666 | D:14     | 31666 ||| SWAPPING to +6 heavy broad axe.
 31667 | D:14     | 31667 ||| SWAPPING to +9 broad axe "Kosum" {antimagic,
                  | rC+}.
 31668 | D:14     | 31668 ||| SWAPPING to +6 heavy broad axe.
 31669 | D:14     | 31669 ||| SWAPPING to +9 broad axe "Kosum" {antimagic,
                  | rC+}.
 31670 | D:14     | 31670 ||| SWAPPING to +6 heavy broad axe.
 31671 | D:14     | 31671 ||| SWAPPING to +9 broad axe "Kosum" {antimagic,
                  | rC+}.
 31672 | D:14     | 31672 ||| SWAPPING to +6 heavy broad axe.
 31673 | D:14     | 31673 ||| SWAPPING to +9 broad axe "Kosum" {antimagic,
                  | rC+}.
 31674 | D:14     | 31674 ||| SWAPPING to +6 heavy broad axe.
 31675 | D:14     | 31675 ||| SWAPPING to +9 broad axe "Kosum" {antimagic,
                  | rC+}.
 31676 | D:14     | 31676 ||| SWAPPING to +6 heavy broad axe.
 31677 | D:14     | 31677 ||| SWAPPING to +9 broad axe "Kosum" {antimagic,
                  | rC+}.
 31678 | D:14     | 31678 ||| SWAPPING to +6 heavy broad axe.
 31679 | D:14     | 31679 ||| SWAPPING to +9 broad axe "Kosum" {antimagic,
                  | rC+}.
 31680 | D:14     | 31680 ||| SWAPPING to +6 heavy broad axe.
 31681 | D:14     | 31681 ||| SWAPPING to +9 broad axe "Kosum" {antimagic,
                  | rC+}.
 31682 | D:14     | 31682 ||| SWAPPING to +6 heavy broad axe.
 31683 | D:14     | 31683 ||| SWAPPING to +9 broad axe "Kosum" {antimagic,
                  | rC+}.
 31684 | D:14     | 31684 ||| SWAPPING to +6 heavy broad axe.
 31685 | D:14     | 31685 ||| SWAPPING to +9 broad axe "Kosum" {antimagic,
                  | rC+}.
 31686 | D:14     | 31686 ||| SWAPPING to +6 heavy broad axe.
 31687 | D:14     | 31687 ||| SWAPPING to +9 broad axe "Kosum" {antimagic,
                  | rC+}.
 31688 | D:14     | 31688 ||| SWAPPING to +6 heavy broad axe.
 31689 | D:14     | 31689 ||| SWAPPING to +9 broad axe "Kosum" {antimagic,
                  | rC+}.
 31690 | D:14     | 31690 ||| SWAPPING to +6 heavy broad axe.
 31691 | D:14     | 31691 ||| SWAPPING to +9 broad axe "Kosum" {antimagic,
                  | rC+}.
 31692 | D:14     | 31692 ||| SWAPPING to +6 heavy broad axe.
 31693 | D:14     | 31693 ||| SWAPPING to +9 broad axe "Kosum" {antimagic,
                  | rC+}.
 31694 | D:14     | 31694 ||| SWAPPING to +6 heavy broad axe.
 31695 | D:14     | 31695 ||| SWAPPING to +9 broad axe "Kosum" {antimagic,
                  | rC+}.
 31696 | D:14     | 31696 ||| SWAPPING to +6 heavy broad axe.
 31697 | D:14     | 31697 ||| SWAPPING to +9 broad axe "Kosum" {antimagic,
                  | rC+}.
 31698 | D:14     | 31698 ||| SWAPPING to +6 heavy broad axe.
 31699 | D:14     | 31699 ||| SWAPPING to +9 broad axe "Kosum" {antimagic,
                  | rC+}.
 31700 | D:14     | 31700 ||| SWAPPING to +6 heavy broad axe.
 31701 | D:14     | 31701 ||| SWAPPING to +9 broad axe "Kosum" {antimagic,
                  | rC+}.
 31702 | D:14     | 31702 ||| SWAPPING to +6 heavy broad axe.
 31703 | D:14     | 31703 ||| SWAPPING to +9 broad axe "Kosum" {antimagic,
                  | rC+}.
 31704 | D:14     | 31704 ||| SWAPPING to +6 heavy broad axe.
 31705 | D:14     | 31705 ||| SWAPPING to +9 broad axe "Kosum" {antimagic,
                  | rC+}.
 31706 | D:14     | 31706 ||| SWAPPING to +6 heavy broad axe.
 31707 | D:14     | 31707 ||| SWAPPING to +9 broad axe "Kosum" {antimagic,
                  | rC+}.
 31708 | D:14     | 31708 ||| SWAPPING to +6 heavy broad axe.
 31709 | D:14     | 31709 ||| SWAPPING to +9 broad axe "Kosum" {antimagic,
                  | rC+}.
 31710 | D:14     | 31710 ||| SWAPPING to +6 heavy broad axe.
 31711 | D:14     | 31711 ||| SWAPPING to +9 broad axe "Kosum" {antimagic,
                  | rC+}.
 31712 | D:14     | 31712 ||| SWAPPING to +6 heavy broad axe.
 31713 | D:14     | 31713 ||| SWAPPING to +9 broad axe "Kosum" {antimagic,
                  | rC+}.
 31714 | D:14     | 31714 ||| SWAPPING to +6 heavy broad axe.
 31715 | D:14     | 31715 ||| SWAPPING to +9 broad axe "Kosum" {antimagic,
                  | rC+}.
 31716 | D:14     | 31716 ||| SWAPPING to +6 heavy broad axe.
 31717 | D:14     | 31717 ||| SWAPPING to +9 broad axe "Kosum" {antimagic,
                  | rC+}.
 31718 | D:14     | 31718 ||| SWAPPING to +6 heavy broad axe.
 31719 | D:14     | 31719 ||| SWAPPING to +9 broad axe "Kosum" {antimagic,
                  | rC+}.
 31720 | D:14     | 31720 ||| SWAPPING to +6 heavy broad axe.
 31721 | D:14     | 31721 ||| SWAPPING to +9 broad axe "Kosum" {antimagic,
                  | rC+}.
 31722 | D:14     | 31722 ||| SWAPPING to +6 heavy broad axe.
 31723 | D:14     | 31723 ||| SWAPPING to +9 broad axe "Kosum" {antimagic,
                  | rC+}.
 31724 | D:14     | 31724 ||| SWAPPING to +6 heavy broad axe.
 31725 | D:14     | 31725 ||| SWAPPING to +9 broad axe "Kosum" {antimagic,
                  | rC+}.
 31726 | D:14     | 31726 ||| SWAPPING to +6 heavy broad axe.
 31727 | D:14     | 31727 ||| SWAPPING to +9 broad axe "Kosum" {antimagic,
                  | rC+}.
 31728 | D:14     | 31728 ||| SWAPPING to +6 heavy broad axe.
 31729 | D:14     | 31729 ||| SWAPPING to +9 broad axe "Kosum" {antimagic,
                  | rC+}.
 31730 | D:14     | 31730 ||| SWAPPING to +6 heavy broad axe.
 31731 | D:14     | 31731 ||| SWAPPING to +9 broad axe "Kosum" {antimagic,
                  | rC+}.
 31732 | D:14     | 31732 ||| SWAPPING to +6 heavy broad axe.
 31733 | D:14     | 31733 ||| SWAPPING to +9 broad axe "Kosum" {antimagic,
                  | rC+}.
 31734 | D:14     | 31734 ||| SWAPPING to +6 heavy broad axe.
 31735 | D:14     | 31735 ||| SWAPPING to +9 broad axe "Kosum" {antimagic,
                  | rC+}.
 31736 | D:14     | 31736 ||| SWAPPING to +6 heavy broad axe.
 31737 | D:14     | 31737 ||| SWAPPING to +9 broad axe "Kosum" {antimagic,
                  | rC+}.
 31738 | D:14     | 31738 ||| SWAPPING to +6 heavy broad axe.
 31739 | D:14     | 31739 ||| SWAPPING to +9 broad axe "Kosum" {antimagic,
                  | rC+}.
 31740 | D:14     | 31740 ||| SWAPPING to +6 heavy broad axe.
 31741 | D:14     | 31741 ||| SWAPPING to +9 broad axe "Kosum" {antimagic,
                  | rC+}.
 31742 | D:14     | 31742 ||| SWAPPING to +6 heavy broad axe.
 31743 | D:14     | 31743 ||| SWAPPING to +9 broad axe "Kosum" {antimagic,
                  | rC+}.
 31744 | D:14     | 31744 ||| SWAPPING to +6 heavy broad axe.
 31745 | D:14     | 31745 ||| SWAPPING to +9 broad axe "Kosum" {antimagic,
                  | rC+}.
 31746 | D:14     | 31746 ||| SWAPPING to +6 heavy broad axe.
 31747 | D:14     | 31747 ||| SWAPPING to +9 broad axe "Kosum" {antimagic,
                  | rC+}.
 31748 | D:14     | 31748 ||| SWAPPING to +6 heavy broad axe.
 31749 | D:14     | 31749 ||| SWAPPING to +9 broad axe "Kosum" {antimagic,
                  | rC+}.
 31750 | D:14     | 31750 ||| SWAPPING to +6 heavy broad axe.
 31751 | D:14     | 31751 ||| SWAPPING to +9 broad axe "Kosum" {antimagic,
                  | rC+}.
 31752 | D:14     | 31752 ||| SWAPPING to +6 heavy broad axe.
 31753 | D:14     | 31753 ||| SWAPPING to +9 broad axe "Kosum" {antimagic,
                  | rC+}.
 31754 | D:14     | 31754 ||| SWAPPING to +6 heavy broad axe.
 31755 | D:14     | 31755 ||| SWAPPING to +9 broad axe "Kosum" {antimagic,
                  | rC+}.
 31756 | D:14     | 31756 ||| SWAPPING to +6 heavy broad axe.
 31757 | D:14     | 31757 ||| SWAPPING to +9 broad axe "Kosum" {antimagic,
                  | rC+}.
 31758 | D:14     | 31758 ||| SWAPPING to +6 heavy broad axe.
 31759 | D:14     | 31759 ||| SWAPPING to +9 broad axe "Kosum" {antimagic,
                  | rC+}.
 31760 | D:14     | 31760 ||| SWAPPING to +6 heavy broad axe.
 31761 | D:14     | 31761 ||| SWAPPING to +9 broad axe "Kosum" {antimagic,
                  | rC+}.
 31762 | D:14     | 31762 ||| SWAPPING to +6 heavy broad axe.
 31763 | D:14     | 31763 ||| SWAPPING to +9 broad axe "Kosum" {antimagic,
                  | rC+}.
 31764 | D:14     | 31764 ||| SWAPPING to +6 heavy broad axe.
 31765 | D:14     | 31765 ||| SWAPPING to +9 broad axe "Kosum" {antimagic,
                  | rC+}.
 31766 | D:14     | 31766 ||| SWAPPING to +6 heavy broad axe.
 31767 | D:14     | 31767 ||| SWAPPING to +9 broad axe "Kosum" {antimagic,
                  | rC+}.
 31768 | D:14     | 31768 ||| SWAPPING to +6 heavy broad axe.
 31769 | D:14     | 31769 ||| SWAPPING to +9 broad axe "Kosum" {antimagic,
                  | rC+}.
 31770 | D:14     | 31770 ||| SWAPPING to +6 heavy broad axe.
 31771 | D:14     | 31771 ||| SWAPPING to +9 broad axe "Kosum" {antimagic,
                  | rC+}.
 31772 | D:14     | 31772 ||| SWAPPING to +6 heavy broad axe.
 31773 | D:14     | 31773 ||| SWAPPING to +9 broad axe "Kosum" {antimagic,
                  | rC+}.
 31774 | D:14     | 31774 ||| SWAPPING to +6 heavy broad axe.
 31775 | D:14     | 31775 ||| SWAPPING to +9 broad axe "Kosum" {antimagic,
                  | rC+}.
 31776 | D:14     | 31776 ||| SWAPPING to +6 heavy broad axe.
 31777 | D:14     | 31777 ||| SWAPPING to +9 broad axe "Kosum" {antimagic,
                  | rC+}.
 31778 | D:14     | 31778 ||| SWAPPING to +6 heavy broad axe.
 31779 | D:14     | 31779 ||| SWAPPING to +9 broad axe "Kosum" {antimagic,
                  | rC+}.
 31780 | D:14     | 31780 ||| SWAPPING to +6 heavy broad axe.
 31781 | D:14     | 31781 ||| SWAPPING to +9 broad axe "Kosum" {antimagic,
                  | rC+}.
 31782 | D:14     | 31782 ||| SWAPPING to +6 heavy broad axe.
 31783 | D:14     | 31783 ||| SWAPPING to +9 broad axe "Kosum" {antimagic,
                  | rC+}.
 31784 | D:14     | 31784 ||| SWAPPING to +6 heavy broad axe.
 31785 | D:14     | 31785 ||| SWAPPING to +9 broad axe "Kosum" {antimagic,
                  | rC+}.
 31786 | D:14     | 31786 ||| SWAPPING to +6 heavy broad axe.
 31787 | D:14     | 31787 ||| SWAPPING to +9 broad axe "Kosum" {antimagic,
                  | rC+}.
 31788 | D:14     | 31788 ||| SWAPPING to +6 heavy broad axe.
 31789 | D:14     | 31789 ||| SWAPPING to +9 broad axe "Kosum" {antimagic,
                  | rC+}.
 31790 | D:14     | 31790 ||| SWAPPING to +6 heavy broad axe.
 31791 | D:14     | 31791 ||| SWAPPING to +9 broad axe "Kosum" {antimagic,
                  | rC+}.
 31792 | D:14     | 31792 ||| SWAPPING to +6 heavy broad axe.
 31793 | D:14     | 31793 ||| SWAPPING to +9 broad axe "Kosum" {antimagic,
                  | rC+}.
 31794 | D:14     | 31794 ||| SWAPPING to +6 heavy broad axe.
 31795 | D:14     | 31795 ||| SWAPPING to +9 broad axe "Kosum" {antimagic,
                  | rC+}.
 31796 | D:14     | 31796 ||| SWAPPING to +6 heavy broad axe.
 31797 | D:14     | 31797 ||| SWAPPING to +9 broad axe "Kosum" {antimagic,
                  | rC+}.
 31798 | D:14     | 31798 ||| SWAPPING to +6 heavy broad axe.
 31799 | D:14     | 31799 ||| SWAPPING to +9 broad axe "Kosum" {antimagic,
                  | rC+}.
 31800 | D:14     | 31800 ||| SWAPPING to +6 heavy broad axe.
 31801 | D:14     | 31801 ||| SWAPPING to +9 broad axe "Kosum" {antimagic,
                  | rC+}.
 31802 | D:14     | 31802 ||| SWAPPING to +6 heavy broad axe.
 31803 | D:14     | 31803 ||| SWAPPING to +9 broad axe "Kosum" {antimagic,
                  | rC+}.
 31804 | D:14     | 31804 ||| SWAPPING to +6 heavy broad axe.
 31805 | D:14     | 31805 ||| SWAPPING to +9 broad axe "Kosum" {antimagic,
                  | rC+}.
 31806 | D:14     | 31806 ||| SWAPPING to +6 heavy broad axe.
 31807 | D:14     | 31807 ||| SWAPPING to +9 broad axe "Kosum" {antimagic,
                  | rC+}.
 31808 | D:14     | 31808 ||| SWAPPING to +6 heavy broad axe.
 31809 | D:14     | 31809 ||| SWAPPING to +9 broad axe "Kosum" {antimagic,
                  | rC+}.
 31810 | D:14     | 31810 ||| SWAPPING to +6 heavy broad axe.
 31811 | D:14     | 31811 ||| SWAPPING to +9 broad axe "Kosum" {antimagic,
                  | rC+}.
 31812 | D:14     | 31812 ||| SWAPPING to +6 heavy broad axe.
 31813 | D:14     | 31813 ||| SWAPPING to +9 broad axe "Kosum" {antimagic,
                  | rC+}.
 31814 | D:14     | 31814 ||| SWAPPING to +6 heavy broad axe.
 31815 | D:14     | 31815 ||| SWAPPING to +9 broad axe "Kosum" {antimagic,
                  | rC+}.
 31816 | D:14     | 31816 ||| SWAPPING to +6 heavy broad axe.
 31817 | D:14     | 31817 ||| SWAPPING to +9 broad axe "Kosum" {antimagic,
                  | rC+}.
 31818 | D:14     | 31818 ||| SWAPPING to +6 heavy broad axe.
 31819 | D:14     | 31819 ||| SWAPPING to +9 broad axe "Kosum" {antimagic,
                  | rC+}.
 31820 | D:14     | 31820 ||| SWAPPING to +6 heavy broad axe.
 31821 | D:14     | 31821 ||| SWAPPING to +9 broad axe "Kosum" {antimagic,
                  | rC+}.
 31822 | D:14     | 31822 ||| SWAPPING to +6 heavy broad axe.
 31823 | D:14     | 31823 ||| SWAPPING to +9 broad axe "Kosum" {antimagic,
                  | rC+}.
 31824 | D:14     | 31824 ||| SWAPPING to +6 heavy broad axe.
 31825 | D:14     | 31825 ||| SWAPPING to +9 broad axe "Kosum" {antimagic,
                  | rC+}.
 31826 | D:14     | 31826 ||| SWAPPING to +6 heavy broad axe.
 31827 | D:14     | 31827 ||| SWAPPING to +9 broad axe "Kosum" {antimagic,
                  | rC+}.
 31828 | D:14     | 31828 ||| SWAPPING to +6 heavy broad axe.
 31829 | D:14     | 31829 ||| SWAPPING to +9 broad axe "Kosum" {antimagic,
                  | rC+}.
 31830 | D:14     | 31830 ||| SWAPPING to +6 heavy broad axe.
 31831 | D:14     | 31831 ||| SWAPPING to +9 broad axe "Kosum" {antimagic,
                  | rC+}.
 31832 | D:14     | 31832 ||| SWAPPING to +6 heavy broad axe.
 31833 | D:14     | 31833 ||| SWAPPING to +9 broad axe "Kosum" {antimagic,
                  | rC+}.
 31834 | D:14     | 31834 ||| SWAPPING to +6 heavy broad axe.
 31835 | D:14     | 31835 ||| SWAPPING to +9 broad axe "Kosum" {antimagic,
                  | rC+}.
 31836 | D:14     | 31836 ||| SWAPPING to +6 heavy broad axe.
 31837 | D:14     | 31837 ||| SWAPPING to +9 broad axe "Kosum" {antimagic,
                  | rC+}.
 31838 | D:14     | 31838 ||| SWAPPING to +6 heavy broad axe.
 31839 | D:14     | 31839 ||| SWAPPING to +9 broad axe "Kosum" {antimagic,
                  | rC+}.
 31840 | D:14     | 31840 ||| SWAPPING to +6 heavy broad axe.
 31841 | D:14     | 31841 ||| SWAPPING to +9 broad axe "Kosum" {antimagic,
                  | rC+}.
 31842 | D:14     | 31842 ||| SWAPPING to +6 heavy broad axe.
 31843 | D:14     | 31843 ||| SWAPPING to +9 broad axe "Kosum" {antimagic,
                  | rC+}.
 31844 | D:14     | 31844 ||| SWAPPING to +6 heavy broad axe.
 31845 | D:14     | 31845 ||| SWAPPING to +9 broad axe "Kosum" {antimagic,
                  | rC+}.
 31846 | D:14     | 31846 ||| SWAPPING to +6 heavy broad axe.
 31847 | D:14     | 31847 ||| SWAPPING to +9 broad axe "Kosum" {antimagic,
                  | rC+}.
 31848 | D:14     | 31848 ||| SWAPPING to +6 heavy broad axe.
 31849 | D:14     | 31849 ||| SWAPPING to +9 broad axe "Kosum" {antimagic,
                  | rC+}.
 31850 | D:14     | 31850 ||| SWAPPING to +6 heavy broad axe.
 31851 | D:14     | 31851 ||| SWAPPING to +9 broad axe "Kosum" {antimagic,
                  | rC+}.
 31852 | D:14     | 31852 ||| SWAPPING to +6 heavy broad axe.
 31853 | D:14     | 31853 ||| SWAPPING to +9 broad axe "Kosum" {antimagic,
                  | rC+}.
 31854 | D:14     | 31854 ||| SWAPPING to +6 heavy broad axe.
 31855 | D:14     | 31855 ||| SWAPPING to +9 broad axe "Kosum" {antimagic,
                  | rC+}.
 31856 | D:14     | 31856 ||| SWAPPING to +6 heavy broad axe.
 31857 | D:14     | 31857 ||| SWAPPING to +9 broad axe "Kosum" {antimagic,
                  | rC+}.
 31858 | D:14     | 31858 ||| SWAPPING to +6 heavy broad axe.
 31859 | D:14     | 31859 ||| SWAPPING to +9 broad axe "Kosum" {antimagic,
                  | rC+}.
 31860 | D:14     | 31860 ||| SWAPPING to +6 heavy broad axe.
 31861 | D:14     | 31861 ||| SWAPPING to +9 broad axe "Kosum" {antimagic,
                  | rC+}.
 31862 | D:14     | 31862 ||| SWAPPING to +6 heavy broad axe.
 31863 | D:14     | 31863 ||| SWAPPING to +9 broad axe "Kosum" {antimagic,
                  | rC+}.
 31864 | D:14     | 31864 ||| SWAPPING to +6 heavy broad axe.
 31865 | D:14     | 31865 ||| SWAPPING to +9 broad axe "Kosum" {antimagic,
                  | rC+}.
 31866 | D:14     | 31866 ||| SWAPPING to +6 heavy broad axe.
 31867 | D:14     | 31867 ||| SWAPPING to +9 broad axe "Kosum" {antimagic,
                  | rC+}.
 31868 | D:14     | 31868 ||| SWAPPING to +6 heavy broad axe.
 31869 | D:14     | 31869 ||| SWAPPING to +9 broad axe "Kosum" {antimagic,
                  | rC+}.
 31870 | D:14     | 31870 ||| SWAPPING to +6 heavy broad axe.
 31871 | D:14     | 31871 ||| SWAPPING to +9 broad axe "Kosum" {antimagic,
                  | rC+}.
 31872 | D:14     | 31872 ||| SWAPPING to +6 heavy broad axe.
 31873 | D:14     | 31873 ||| SWAPPING to +9 broad axe "Kosum" {antimagic,
                  | rC+}.
 31874 | D:14     | 31874 ||| SWAPPING to +6 heavy broad axe.
 31875 | D:14     | 31875 ||| SWAPPING to +9 broad axe "Kosum" {antimagic,
                  | rC+}.
 31876 | D:14     | 31876 ||| SWAPPING to +6 heavy broad axe.
 31877 | D:14     | 31877 ||| SWAPPING to +9 broad axe "Kosum" {antimagic,
                  | rC+}.
 31878 | D:14     | 31878 ||| SWAPPING to +6 heavy broad axe.
 31879 | D:14     | 31879 ||| SWAPPING to +9 broad axe "Kosum" {antimagic,
                  | rC+}.
 31880 | D:14     | 31880 ||| SWAPPING to +6 heavy broad axe.
 31881 | D:14     | 31881 ||| SWAPPING to +9 broad axe "Kosum" {antimagic,
                  | rC+}.
 31882 | D:14     | 31882 ||| SWAPPING to +6 heavy broad axe.
 31883 | D:14     | 31883 ||| SWAPPING to +9 broad axe "Kosum" {antimagic,
                  | rC+}.
 31884 | D:14     | 31884 ||| SWAPPING to +6 heavy broad axe.
 31885 | D:14     | 31885 ||| SWAPPING to +9 broad axe "Kosum" {antimagic,
                  | rC+}.
 31886 | D:14     | 31886 ||| SWAPPING to +6 heavy broad axe.
 31887 | D:14     | 31887 ||| SWAPPING to +9 broad axe "Kosum" {antimagic,
                  | rC+}.
 31888 | D:14     | 31888 ||| SWAPPING to +6 heavy broad axe.
 31889 | D:14     | 31889 ||| SWAPPING to +9 broad axe "Kosum" {antimagic,
                  | rC+}.
 31890 | D:14     | 31890 ||| SWAPPING to +6 heavy broad axe.
 31891 | D:14     | 31891 ||| SWAPPING to +9 broad axe "Kosum" {antimagic,
                  | rC+}.
 31892 | D:14     | 31892 ||| SWAPPING to +6 heavy broad axe.
 31893 | D:14     | 31893 ||| SWAPPING to +9 broad axe "Kosum" {antimagic,
                  | rC+}.
 31894 | D:14     | 31894 ||| SWAPPING to +6 heavy broad axe.
 31895 | D:14     | 31895 ||| SWAPPING to +9 broad axe "Kosum" {antimagic,
                  | rC+}.
 31896 | D:14     | 31896 ||| SWAPPING to +6 heavy broad axe.
 31897 | D:14     | 31897 ||| SWAPPING to +9 broad axe "Kosum" {antimagic,
                  | rC+}.
 31898 | D:14     | 31898 ||| SWAPPING to +6 heavy broad axe.
 31899 | D:14     | 31899 ||| SWAPPING to +9 broad axe "Kosum" {antimagic,
                  | rC+}.
 31900 | D:14     | 31900 ||| SWAPPING to +6 heavy broad axe.
 31901 | D:14     | 31901 ||| SWAPPING to +9 broad axe "Kosum" {antimagic,
                  | rC+}.
 31902 | D:14     | 31902 ||| SWAPPING to +6 heavy broad axe.
 31903 | D:14     | 31903 ||| SWAPPING to +9 broad axe "Kosum" {antimagic,
                  | rC+}.
 31904 | D:14     | 31904 ||| SWAPPING to +6 heavy broad axe.
 31905 | D:14     | 31905 ||| SWAPPING to +9 broad axe "Kosum" {antimagic,
                  | rC+}.
 31906 | D:14     | 31906 ||| SWAPPING to +6 heavy broad axe.
 31907 | D:14     | 31907 ||| SWAPPING to +9 broad axe "Kosum" {antimagic,
                  | rC+}.
 31908 | D:14     | 31908 ||| SWAPPING to +6 heavy broad axe.
 31909 | D:14     | 31909 ||| SWAPPING to +9 broad axe "Kosum" {antimagic,
                  | rC+}.
 31910 | D:14     | 31910 ||| SWAPPING to +6 heavy broad axe.
 31911 | D:14     | 31911 ||| SWAPPING to +9 broad axe "Kosum" {antimagic,
                  | rC+}.
 31912 | D:14     | 31912 ||| SWAPPING to +6 heavy broad axe.
 31913 | D:14     | 31913 ||| SWAPPING to +9 broad axe "Kosum" {antimagic,
                  | rC+}.
 31914 | D:14     | 31914 ||| SWAPPING to +6 heavy broad axe.
 31915 | D:14     | 31915 ||| SWAPPING to +9 broad axe "Kosum" {antimagic,
                  | rC+}.
 31916 | D:14     | 31916 ||| SWAPPING to +6 heavy broad axe.
 31917 | D:14     | 31917 ||| SWAPPING to +9 broad axe "Kosum" {antimagic,
                  | rC+}.
 31918 | D:14     | 31918 ||| SWAPPING to +6 heavy broad axe.
 31919 | D:14     | 31919 ||| SWAPPING to +9 broad axe "Kosum" {antimagic,
                  | rC+}.
 31920 | D:14     | 31920 ||| SWAPPING to +6 heavy broad axe.
 31921 | D:14     | 31921 ||| SWAPPING to +9 broad axe "Kosum" {antimagic,
                  | rC+}.
 31922 | D:14     | 31922 ||| SWAPPING to +6 heavy broad axe.
 31923 | D:14     | 31923 ||| SWAPPING to +9 broad axe "Kosum" {antimagic,
                  | rC+}.
 31924 | D:14     | 31924 ||| SWAPPING to +6 heavy broad axe.
 31925 | D:14     | 31925 ||| SWAPPING to +9 broad axe "Kosum" {antimagic,
                  | rC+}.
 31926 | D:14     | 31926 ||| SWAPPING to +6 heavy broad axe.
 31927 | D:14     | 31927 ||| SWAPPING to +9 broad axe "Kosum" {antimagic,
                  | rC+}.
 31928 | D:14     | 31928 ||| SWAPPING to +6 heavy broad axe.
 31929 | D:14     | 31929 ||| SWAPPING to +9 broad axe "Kosum" {antimagic,
                  | rC+}.
 31930 | D:14     | 31930 ||| SWAPPING to +6 heavy broad axe.
 31931 | D:14     | 31931 ||| SWAPPING to +9 broad axe "Kosum" {antimagic,
                  | rC+}.
 31932 | D:14     | 31932 ||| SWAPPING to +6 heavy broad axe.
 31933 | D:14     | 31933 ||| SWAPPING to +9 broad axe "Kosum" {antimagic,
                  | rC+}.
 31934 | D:14     | 31934 ||| SWAPPING to +6 heavy broad axe.
 31935 | D:14     | 31935 ||| SWAPPING to +9 broad axe "Kosum" {antimagic,
                  | rC+}.
 31936 | D:14     | 31936 ||| SWAPPING to +6 heavy broad axe.
 31937 | D:14     | 31937 ||| SWAPPING to +9 broad axe "Kosum" {antimagic,
                  | rC+}.
 31938 | D:14     | 31938 ||| SWAPPING to +6 heavy broad axe.
 31939 | D:14     | 31939 ||| SWAPPING to +9 broad axe "Kosum" {antimagic,
                  | rC+}.
 31940 | D:14     | 31940 ||| SWAPPING to +6 heavy broad axe.
 31941 | D:14     | 31941 ||| SWAPPING to +9 broad axe "Kosum" {antimagic,
                  | rC+}.
 31942 | D:14     | 31942 ||| SWAPPING to +6 heavy broad axe.
 31943 | D:14     | 31943 ||| SWAPPING to +9 broad axe "Kosum" {antimagic,
                  | rC+}.
 31944 | D:14     | 31944 ||| SWAPPING to +6 heavy broad axe.
 31945 | D:14     | 31945 ||| SWAPPING to +9 broad axe "Kosum" {antimagic,
                  | rC+}.
 31946 | D:14     | 31946 ||| SWAPPING to +6 heavy broad axe.
 31947 | D:14     | 31947 ||| SWAPPING to +9 broad axe "Kosum" {antimagic,
                  | rC+}.
 31948 | D:14     | 31948 ||| SWAPPING to +6 heavy broad axe.
 31949 | D:14     | 31949 ||| SWAPPING to +9 broad axe "Kosum" {antimagic,
                  | rC+}.
 31950 | D:14     | 31950 ||| SWAPPING to +6 heavy broad axe.
 31951 | D:14     | 31951 ||| SWAPPING to +9 broad axe "Kosum" {antimagic,
                  | rC+}.
 31952 | D:14     | 31952 ||| SWAPPING to +6 heavy broad axe.
 31953 | D:14     | 31953 ||| SWAPPING to +9 broad axe "Kosum" {antimagic,
                  | rC+}.
 31954 | D:14     | 31954 ||| SWAPPING to +6 heavy broad axe.
 31955 | D:14     | 31955 ||| SWAPPING to +9 broad axe "Kosum" {antimagic,
                  | rC+}.
 31956 | D:14     | 31956 ||| SWAPPING to +6 heavy broad axe.
 31957 | D:14     | 31957 ||| SWAPPING to +9 broad axe "Kosum" {antimagic,
                  | rC+}.
 31958 | D:14     | 31958 ||| SWAPPING to +6 heavy broad axe.
 31959 | D:14     | 31959 ||| SWAPPING to +9 broad axe "Kosum" {antimagic,
                  | rC+}.
 31960 | D:14     | 31960 ||| SWAPPING to +6 heavy broad axe.
 31961 | D:14     | 31961 ||| SWAPPING to +9 broad axe "Kosum" {antimagic,
                  | rC+}.
 31962 | D:14     | 31962 ||| SWAPPING to +6 heavy broad axe.
 31963 | D:14     | 31963 ||| SWAPPING to +9 broad axe "Kosum" {antimagic,
                  | rC+}.
 31964 | D:14     | 31964 ||| SWAPPING to +6 heavy broad axe.
 31965 | D:14     | 31965 ||| SWAPPING to +9 broad axe "Kosum" {antimagic,
                  | rC+}.
 31966 | D:14     | 31966 ||| SWAPPING to +6 heavy broad axe.
 31967 | D:14     | 31967 ||| SWAPPING to +9 broad axe "Kosum" {antimagic,
                  | rC+}.
 31968 | D:14     | 31968 ||| SWAPPING to +6 heavy broad axe.
 31969 | D:14     | 31969 ||| SWAPPING to +9 broad axe "Kosum" {antimagic,
                  | rC+}.
 31970 | D:14     | 31970 ||| SWAPPING to +6 heavy broad axe.
 31971 | D:14     | 31971 ||| SWAPPING to +9 broad axe "Kosum" {antimagic,
                  | rC+}.
 31972 | D:14     | 31972 ||| SWAPPING to +6 heavy broad axe.
 31973 | D:14     | 31973 ||| SWAPPING to +9 broad axe "Kosum" {antimagic,
                  | rC+}.
 31974 | D:14     | 31974 ||| SWAPPING to +6 heavy broad axe.
 31975 | D:14     | 31975 ||| SWAPPING to +9 broad axe "Kosum" {antimagic,
                  | rC+}.
 31976 | D:14     | 31976 ||| SWAPPING to +6 heavy broad axe.
 31977 | D:14     | 31977 ||| SWAPPING to +9 broad axe "Kosum" {antimagic,
                  | rC+}.
 31978 | D:14     | 31978 ||| SWAPPING to +6 heavy broad axe.
 31979 | D:14     | 31979 ||| SWAPPING to +9 broad axe "Kosum" {antimagic,
                  | rC+}.
 31980 | D:14     | 31980 ||| SWAPPING to +6 heavy broad axe.
 31981 | D:14     | 31981 ||| SWAPPING to +9 broad axe "Kosum" {antimagic,
                  | rC+}.
 31982 | D:14     | 31982 ||| SWAPPING to +6 heavy broad axe.
 31983 | D:14     | 31983 ||| SWAPPING to +9 broad axe "Kosum" {antimagic,
                  | rC+}.
 31984 | D:14     | 31984 ||| SWAPPING to +6 heavy broad axe.
 31985 | D:14     | 31985 ||| SWAPPING to +9 broad axe "Kosum" {antimagic,
                  | rC+}.
 31986 | D:14     | 31986 ||| SWAPPING to +6 heavy broad axe.
 31987 | D:14     | 31987 ||| SWAPPING to +9 broad axe "Kosum" {antimagic,
                  | rC+}.
 31988 | D:14     | 31988 ||| SWAPPING to +6 heavy broad axe.
 31989 | D:14     | 31989 ||| SWAPPING to +9 broad axe "Kosum" {antimagic,
                  | rC+}.
 31990 | D:14     | 31990 ||| SWAPPING to +6 heavy broad axe.
 31991 | D:14     | 31991 ||| SWAPPING to +9 broad axe "Kosum" {antimagic,
                  | rC+}.
 31992 | D:14     | 31992 ||| SWAPPING to +6 heavy broad axe.
 31993 | D:14     | 31993 ||| SWAPPING to +9 broad axe "Kosum" {antimagic,
                  | rC+}.
 31994 | D:14     | 31994 ||| SWAPPING to +6 heavy broad axe.
 31995 | D:14     | 31995 ||| SWAPPING to +9 broad axe "Kosum" {antimagic,
                  | rC+}.
 31996 | D:14     | 31996 ||| SWAPPING to +6 heavy broad axe.
 31997 | D:14     | 31997 ||| SWAPPING to +9 broad axe "Kosum" {antimagic,
                  | rC+}.
 31998 | D:14     | 31998 ||| SWAPPING to +6 heavy broad axe.
 31999 | D:14     | 31999 ||| SWAPPING to +9 broad axe "Kosum" {antimagic,
                  | rC+}.
 32000 | D:14     | 32000 ||| SWAPPING to +6 heavy broad axe.
 32001 | D:14     | 32001 ||| SWAPPING to +9 broad axe "Kosum" {antimagic,
                  | rC+}.
 32002 | D:14     | 32002 ||| SWAPPING to +6 heavy broad axe.
 32003 | D:14     | 32003 ||| SWAPPING to +9 broad axe "Kosum" {antimagic,
                  | rC+}.
 32004 | D:14     | 32004 ||| SWAPPING to +6 heavy broad axe.
 32005 | D:14     | 32005 ||| SWAPPING to +9 broad axe "Kosum" {antimagic,
                  | rC+}.
 32006 | D:14     | 32006 ||| SWAPPING to +6 heavy broad axe.
 32007 | D:14     | 32007 ||| SWAPPING to +9 broad axe "Kosum" {antimagic,
                  | rC+}.
 32008 | D:14     | 32008 ||| SWAPPING to +6 heavy broad axe.
 32009 | D:14     | 32009 ||| SWAPPING to +9 broad axe "Kosum" {antimagic,
                  | rC+}.
 32010 | D:14     | 32010 ||| SWAPPING to +6 heavy broad axe.
 32011 | D:14     | 32011 ||| SWAPPING to +9 broad axe "Kosum" {antimagic,
                  | rC+}.
 32012 | D:14     | 32012 ||| SWAPPING to +6 heavy broad axe.
 32013 | D:14     | 32013 ||| SWAPPING to +9 broad axe "Kosum" {antimagic,
                  | rC+}.
 32014 | D:14     | 32014 ||| SWAPPING to +6 heavy broad axe.
 32015 | D:14     | 32015 ||| SWAPPING to +9 broad axe "Kosum" {antimagic,
                  | rC+}.
 32016 | D:14     | 32016 ||| SWAPPING to +6 heavy broad axe.
 32017 | D:14     | 32017 ||| SWAPPING to +9 broad axe "Kosum" {antimagic,
                  | rC+}.
 32018 | D:14     | 32018 ||| SWAPPING to +6 heavy broad axe.
 32019 | D:14     | 32019 ||| SWAPPING to +9 broad axe "Kosum" {antimagic,
                  | rC+}.
 32020 | D:14     | 32020 ||| SWAPPING to +6 heavy broad axe.
 32021 | D:14     | 32021 ||| SWAPPING to +9 broad axe "Kosum" {antimagic,
                  | rC+}.
 32022 | D:14     | 32022 ||| SWAPPING to +6 heavy broad axe.
 32023 | D:14     | 32023 ||| SWAPPING to +9 broad axe "Kosum" {antimagic,
                  | rC+}.
 32024 | D:14     | 32024 ||| SWAPPING to +6 heavy broad axe.
 32025 | D:14     | 32025 ||| SWAPPING to +9 broad axe "Kosum" {antimagic,
                  | rC+}.
 32026 | D:14     | 32026 ||| SWAPPING to +6 heavy broad axe.
 32027 | D:14     | 32027 ||| SWAPPING to +9 broad axe "Kosum" {antimagic,
                  | rC+}.
 32028 | D:14     | 32028 ||| SWAPPING to +6 heavy broad axe.
 32029 | D:14     | 32029 ||| SWAPPING to +9 broad axe "Kosum" {antimagic,
                  | rC+}.
 32030 | D:14     | 32030 ||| SWAPPING to +6 heavy broad axe.
 32031 | D:14     | 32031 ||| SWAPPING to +9 broad axe "Kosum" {antimagic,
                  | rC+}.
 32032 | D:14     | 32032 ||| SWAPPING to +6 heavy broad axe.
 32033 | D:14     | 32033 ||| SWAPPING to +9 broad axe "Kosum" {antimagic,
                  | rC+}.
 32034 | D:14     | 32034 ||| SWAPPING to +6 heavy broad axe.
 32035 | D:14     | 32035 ||| SWAPPING to +9 broad axe "Kosum" {antimagic,
                  | rC+}.
 32036 | D:14     | 32036 ||| SWAPPING to +6 heavy broad axe.
 32037 | D:14     | 32037 ||| SWAPPING to +9 broad axe "Kosum" {antimagic,
                  | rC+}.
 32038 | D:14     | 32038 ||| SWAPPING to +6 heavy broad axe.
 32039 | D:14     | 32039 ||| SWAPPING to +9 broad axe "Kosum" {antimagic,
                  | rC+}.
 32040 | D:14     | 32040 ||| SWAPPING to +6 heavy broad axe.
 32041 | D:14     | 32041 ||| SWAPPING to +9 broad axe "Kosum" {antimagic,
                  | rC+}.
 32042 | D:14     | 32042 ||| SWAPPING to +6 heavy broad axe.
 32043 | D:14     | 32043 ||| SWAPPING to +9 broad axe "Kosum" {antimagic,
                  | rC+}.
 32044 | D:14     | 32044 ||| SWAPPING to +6 heavy broad axe.
 32045 | D:14     | 32045 ||| SWAPPING to +9 broad axe "Kosum" {antimagic,
                  | rC+}.
 32046 | D:14     | 32046 ||| SWAPPING to +6 heavy broad axe.
 32047 | D:14     | 32047 ||| SWAPPING to +9 broad axe "Kosum" {antimagic,
                  | rC+}.
 32048 | D:14     | 32048 ||| SWAPPING to +6 heavy broad axe.
 32049 | D:14     | 32049 ||| SWAPPING to +9 broad axe "Kosum" {antimagic,
                  | rC+}.
 32050 | D:14     | 32050 ||| SWAPPING to +6 heavy broad axe.
 32051 | D:14     | 32051 ||| SWAPPING to +9 broad axe "Kosum" {antimagic,
                  | rC+}.
 32052 | D:14     | 32052 ||| SWAPPING to +6 heavy broad axe.
 32053 | D:14     | 32053 ||| SWAPPING to +9 broad axe "Kosum" {antimagic,
                  | rC+}.
 32054 | D:14     | 32054 ||| SWAPPING to +6 heavy broad axe.
 32055 | D:14     | 32055 ||| SWAPPING to +9 broad axe "Kosum" {antimagic,
                  | rC+}.
 32056 | D:14     | 32056 ||| SWAPPING to +6 heavy broad axe.
 32057 | D:14     | 32057 ||| SWAPPING to +9 broad axe "Kosum" {antimagic,
                  | rC+}.
 32058 | D:14     | 32058 ||| SWAPPING to +6 heavy broad axe.
 32059 | D:14     | 32059 ||| SWAPPING to +9 broad axe "Kosum" {antimagic,
                  | rC+}.
 32060 | D:14     | 32060 ||| SWAPPING to +6 heavy broad axe.
 32061 | D:14     | 32061 ||| SWAPPING to +9 broad axe "Kosum" {antimagic,
                  | rC+}.
 32062 | D:14     | 32062 ||| SWAPPING to +6 heavy broad axe.
 32063 | D:14     | 32063 ||| SWAPPING to +9 broad axe "Kosum" {antimagic,
                  | rC+}.
 32064 | D:14     | 32064 ||| SWAPPING to +6 heavy broad axe.
 32065 | D:14     | 32065 ||| SWAPPING to +9 broad axe "Kosum" {antimagic,
                  | rC+}.
 32066 | D:14     | 32066 ||| SWAPPING to +6 heavy broad axe.
 32067 | D:14     | 32067 ||| SWAPPING to +9 broad axe "Kosum" {antimagic,
                  | rC+}.
 32068 | D:14     | 32068 ||| SWAPPING to +6 heavy broad axe.
 32069 | D:14     | 32069 ||| SWAPPING to +9 broad axe "Kosum" {antimagic,
                  | rC+}.
 32070 | D:14     | 32070 ||| SWAPPING to +6 heavy broad axe.
 32071 | D:14     | 32071 ||| SWAPPING to +9 broad axe "Kosum" {antimagic,
                  | rC+}.
 32072 | D:14     | 32072 ||| SWAPPING to +6 heavy broad axe.
 32073 | D:14     | 32073 ||| SWAPPING to +9 broad axe "Kosum" {antimagic,
                  | rC+}.
 32074 | D:14     | 32074 ||| SWAPPING to +6 heavy broad axe.
 32075 | D:14     | 32075 ||| SWAPPING to +9 broad axe "Kosum" {antimagic,
                  | rC+}.
 32076 | D:14     | 32076 ||| SWAPPING to +6 heavy broad axe.
 32077 | D:14     | 32077 ||| SWAPPING to +9 broad axe "Kosum" {antimagic,
                  | rC+}.
 32078 | D:14     | 32078 ||| SWAPPING to +6 heavy broad axe.
 32079 | D:14     | 32079 ||| SWAPPING to +9 broad axe "Kosum" {antimagic,
                  | rC+}.
 32080 | D:14     | 32080 ||| SWAPPING to +6 heavy broad axe.
 32081 | D:14     | 32081 ||| SWAPPING to +9 broad axe "Kosum" {antimagic,
                  | rC+}.
 32082 | D:14     | 32082 ||| SWAPPING to +6 heavy broad axe.
 32083 | D:14     | 32083 ||| SWAPPING to +9 broad axe "Kosum" {antimagic,
                  | rC+}.
 32084 | D:14     | 32084 ||| SWAPPING to +6 heavy broad axe.
 32085 | D:14     | 32085 ||| SWAPPING to +9 broad axe "Kosum" {antimagic,
                  | rC+}.
 32086 | D:14     | 32086 ||| SWAPPING to +6 heavy broad axe.
 32087 | D:14     | 32087 ||| SWAPPING to +9 broad axe "Kosum" {antimagic,
                  | rC+}.
 32088 | D:14     | 32088 ||| SWAPPING to +6 heavy broad axe.
 32089 | D:14     | 32089 ||| SWAPPING to +9 broad axe "Kosum" {antimagic,
                  | rC+}.
 32090 | D:14     | 32090 ||| SWAPPING to +6 heavy broad axe.
 32091 | D:14     | 32091 ||| SWAPPING to +9 broad axe "Kosum" {antimagic,
                  | rC+}.
 32092 | D:14     | 32092 ||| SWAPPING to +6 heavy broad axe.
 32093 | D:14     | 32093 ||| SWAPPING to +9 broad axe "Kosum" {antimagic,
                  | rC+}.
 32094 | D:14     | 32094 ||| SWAPPING to +6 heavy broad axe.
 32095 | D:14     | 32095 ||| SWAPPING to +9 broad axe "Kosum" {antimagic,
                  | rC+}.
 32096 | D:14     | 32096 ||| SWAPPING to +6 heavy broad axe.
 32097 | D:14     | 32097 ||| SWAPPING to +9 broad axe "Kosum" {antimagic,
                  | rC+}.
 32098 | D:14     | 32098 ||| SWAPPING to +6 heavy broad axe.
 32099 | D:14     | 32099 ||| SWAPPING to +9 broad axe "Kosum" {antimagic,
                  | rC+}.
 32100 | D:14     | 32100 ||| SWAPPING to +6 heavy broad axe.
 32101 | D:14     | 32101 ||| SWAPPING to +9 broad axe "Kosum" {antimagic,
                  | rC+}.
 32102 | D:14     | 32102 ||| SWAPPING to +6 heavy broad axe.
 32103 | D:14     | 32103 ||| SWAPPING to +9 broad axe "Kosum" {antimagic,
                  | rC+}.
 32104 | D:14     | 32104 ||| SWAPPING to +6 heavy broad axe.
 32105 | D:14     | 32105 ||| SWAPPING to +9 broad axe "Kosum" {antimagic,
                  | rC+}.
 32106 | D:14     | 32106 ||| SWAPPING to +6 heavy broad axe.
 32107 | D:14     | 32107 ||| SWAPPING to +9 broad axe "Kosum" {antimagic,
                  | rC+}.
 32108 | D:14     | 32108 ||| SWAPPING to +6 heavy broad axe.
 32109 | D:14     | 32109 ||| SWAPPING to +9 broad axe "Kosum" {antimagic,
                  | rC+}.
 32110 | D:14     | 32110 ||| SWAPPING to +6 heavy broad axe.
 32111 | D:14     | 32111 ||| SWAPPING to +9 broad axe "Kosum" {antimagic,
                  | rC+}.
 32112 | D:14     | 32112 ||| SWAPPING to +6 heavy broad axe.
 32113 | D:14     | 32113 ||| SWAPPING to +9 broad axe "Kosum" {antimagic,
                  | rC+}.
 32114 | D:14     | 32114 ||| SWAPPING to +6 heavy broad axe.
 32115 | D:14     | 32115 ||| SWAPPING to +9 broad axe "Kosum" {antimagic,
                  | rC+}.
 32116 | D:14     | 32116 ||| SWAPPING to +6 heavy broad axe.
 32117 | D:14     | 32117 ||| SWAPPING to +9 broad axe "Kosum" {antimagic,
                  | rC+}.
 32118 | D:14     | 32118 ||| SWAPPING to +6 heavy broad axe.
 32119 | D:14     | 32119 ||| SWAPPING to +9 broad axe "Kosum" {antimagic,
                  | rC+}.
 32120 | D:14     | 32120 ||| SWAPPING to +6 heavy broad axe.
 32121 | D:14     | 32121 ||| SWAPPING to +9 broad axe "Kosum" {antimagic,
                  | rC+}.
 32122 | D:14     | 32122 ||| SWAPPING to +6 heavy broad axe.
 32123 | D:14     | 32123 ||| SWAPPING to +9 broad axe "Kosum" {antimagic,
                  | rC+}.
 32124 | D:14     | 32124 ||| SWAPPING to +6 heavy broad axe.
 32125 | D:14     | 32125 ||| SWAPPING to +9 broad axe "Kosum" {antimagic,
                  | rC+}.
 32126 | D:14     | 32126 ||| SWAPPING to +6 heavy broad axe.
 32127 | D:14     | 32127 ||| SWAPPING to +9 broad axe "Kosum" {antimagic,
                  | rC+}.
 32128 | D:14     | 32128 ||| SWAPPING to +6 heavy broad axe.
 32129 | D:14     | 32129 ||| SWAPPING to +9 broad axe "Kosum" {antimagic,
                  | rC+}.
 32130 | D:14     | 32130 ||| SWAPPING to +6 heavy broad axe.
 32131 | D:14     | 32131 ||| SWAPPING to +9 broad axe "Kosum" {antimagic,
                  | rC+}.
 32132 | D:14     | 32132 ||| SWAPPING to +6 heavy broad axe.
 32133 | D:14     | 32133 ||| SWAPPING to +9 broad axe "Kosum" {antimagic,
                  | rC+}.
 32134 | D:14     | 32134 ||| SWAPPING to +6 heavy broad axe.
 32135 | D:14     | 32135 ||| SWAPPING to +9 broad axe "Kosum" {antimagic,
                  | rC+}.
 32136 | D:14     | 32136 ||| SWAPPING to +6 heavy broad axe.
 32137 | D:14     | 32137 ||| SWAPPING to +9 broad axe "Kosum" {antimagic,
                  | rC+}.
 32138 | D:14     | 32138 ||| SWAPPING to +6 heavy broad axe.
 32139 | D:14     | 32139 ||| SWAPPING to +9 broad axe "Kosum" {antimagic,
                  | rC+}.
 32140 | D:14     | 32140 ||| SWAPPING to +6 heavy broad axe.
 32141 | D:14     | 32141 ||| SWAPPING to +9 broad axe "Kosum" {antimagic,
                  | rC+}.
 32142 | D:14     | 32142 ||| SWAPPING to +6 heavy broad axe.
 32143 | D:14     | 32143 ||| SWAPPING to +9 broad axe "Kosum" {antimagic,
                  | rC+}.
 32144 | D:14     | 32144 ||| SWAPPING to +6 heavy broad axe.
 32145 | D:14     | 32145 ||| SWAPPING to +9 broad axe "Kosum" {antimagic,
                  | rC+}.
 32146 | D:14     | 32146 ||| SWAPPING to +6 heavy broad axe.
 32147 | D:14     | 32147 ||| SWAPPING to +9 broad axe "Kosum" {antimagic,
                  | rC+}.
 32148 | D:14     | 32148 ||| SWAPPING to +6 heavy broad axe.
 32149 | D:14     | 32149 ||| SWAPPING to +9 broad axe "Kosum" {antimagic,
                  | rC+}.
 32150 | D:14     | 32150 ||| SWAPPING to +6 heavy broad axe.
 32151 | D:14     | 32151 ||| SWAPPING to +9 broad axe "Kosum" {antimagic,
                  | rC+}.
 32152 | D:14     | 32152 ||| SWAPPING to +6 heavy broad axe.
 32153 | D:14     | 32153 ||| SWAPPING to +9 broad axe "Kosum" {antimagic,
                  | rC+}.
 32154 | D:14     | 32154 ||| SWAPPING to +6 heavy broad axe.
 32155 | D:14     | 32155 ||| SWAPPING to +9 broad axe "Kosum" {antimagic,
                  | rC+}.
 32156 | D:14     | 32156 ||| SWAPPING to +6 heavy broad axe.
 32157 | D:14     | 32157 ||| SWAPPING to +9 broad axe "Kosum" {antimagic,
                  | rC+}.
 32158 | D:14     | 32158 ||| SWAPPING to +6 heavy broad axe.
 32159 | D:14     | 32159 ||| SWAPPING to +9 broad axe "Kosum" {antimagic,
                  | rC+}.
 32160 | D:14     | 32160 ||| SWAPPING to +6 heavy broad axe.
 32161 | D:14     | 32161 ||| SWAPPING to +9 broad axe "Kosum" {antimagic,
                  | rC+}.
 32162 | D:14     | 32162 ||| SWAPPING to +6 heavy broad axe.
 32163 | D:14     | 32163 ||| SWAPPING to +9 broad axe "Kosum" {antimagic,
                  | rC+}.
 32164 | D:14     | 32164 ||| SWAPPING to +6 heavy broad axe.
 32165 | D:14     | 32165 ||| SWAPPING to +9 broad axe "Kosum" {antimagic,
                  | rC+}.
 32166 | D:14     | 32166 ||| SWAPPING to +6 heavy broad axe.
 32167 | D:14     | 32167 ||| SWAPPING to +9 broad axe "Kosum" {antimagic,
                  | rC+}.
 32168 | D:14     | 32168 ||| SWAPPING to +6 heavy broad axe.
 32169 | D:14     | 32169 ||| SWAPPING to +9 broad axe "Kosum" {antimagic,
                  | rC+}.
 32170 | D:14     | 32170 ||| SWAPPING to +6 heavy broad axe.
 32171 | D:14     | 32171 ||| SWAPPING to +9 broad axe "Kosum" {antimagic,
                  | rC+}.
 32172 | D:14     | 32172 ||| SWAPPING to +6 heavy broad axe.
 32173 | D:14     | 32173 ||| SWAPPING to +9 broad axe "Kosum" {antimagic,
                  | rC+}.
 32174 | D:14     | 32174 ||| SWAPPING to +6 heavy broad axe.
 32175 | D:14     | 32175 ||| SWAPPING to +9 broad axe "Kosum" {antimagic,
                  | rC+}.
 32176 | D:14     | 32176 ||| SWAPPING to +6 heavy broad axe.
 32177 | D:14     | 32177 ||| SWAPPING to +9 broad axe "Kosum" {antimagic,
                  | rC+}.
 32178 | D:14     | 32178 ||| SWAPPING to +6 heavy broad axe.
 32179 | D:14     | 32179 ||| SWAPPING to +9 broad axe "Kosum" {antimagic,
                  | rC+}.
 32180 | D:14     | 32180 ||| SWAPPING to +6 heavy broad axe.
 32181 | D:14     | 32181 ||| SWAPPING to +9 broad axe "Kosum" {antimagic,
                  | rC+}.
 32182 | D:14     | 32182 ||| SWAPPING to +6 heavy broad axe.
 32183 | D:14     | 32183 ||| SWAPPING to +9 broad axe "Kosum" {antimagic,
                  | rC+}.
 32184 | D:14     | 32184 ||| SWAPPING to +6 heavy broad axe.
 32185 | D:14     | 32185 ||| SWAPPING to +9 broad axe "Kosum" {antimagic,
                  | rC+}.
 32186 | D:14     | 32186 ||| SWAPPING to +6 heavy broad axe.
 32187 | D:14     | 32187 ||| SWAPPING to +9 broad axe "Kosum" {antimagic,
                  | rC+}.
 32188 | D:14     | 32188 ||| SWAPPING to +6 heavy broad axe.
 32189 | D:14     | 32189 ||| SWAPPING to +9 broad axe "Kosum" {antimagic,
                  | rC+}.
 32190 | D:14     | 32190 ||| SWAPPING to +6 heavy broad axe.
 32191 | D:14     | 32191 ||| SWAPPING to +9 broad axe "Kosum" {antimagic,
                  | rC+}.
 32192 | D:14     | 32192 ||| SWAPPING to +6 heavy broad axe.
 32193 | D:14     | 32193 ||| SWAPPING to +9 broad axe "Kosum" {antimagic,
                  | rC+}.
 32194 | D:14     | 32194 ||| SWAPPING to +6 heavy broad axe.
 32195 | D:14     | 32195 ||| SWAPPING to +9 broad axe "Kosum" {antimagic,
                  | rC+}.
 32196 | D:14     | 32196 ||| SWAPPING to +6 heavy broad axe.
 32197 | D:14     | 32197 ||| SWAPPING to +9 broad axe "Kosum" {antimagic,
                  | rC+}.
 32198 | D:14     | 32198 ||| SWAPPING to +6 heavy broad axe.
 32199 | D:14     | 32199 ||| SWAPPING to +9 broad axe "Kosum" {antimagic,
                  | rC+}.
 32200 | D:14     | 32200 ||| SWAPPING to +6 heavy broad axe.
 32201 | D:14     | 32201 ||| SWAPPING to +9 broad axe "Kosum" {antimagic,
                  | rC+}.
 32202 | D:14     | 32202 ||| SWAPPING to +6 heavy broad axe.
 32203 | D:14     | 32203 ||| SWAPPING to +9 broad axe "Kosum" {antimagic,
                  | rC+}.
 32204 | D:14     | 32204 ||| SWAPPING to +6 heavy broad axe.
 32205 | D:14     | 32205 ||| SWAPPING to +9 broad axe "Kosum" {antimagic,
                  | rC+}.
 32206 | D:14     | 32206 ||| SWAPPING to +6 heavy broad axe.
 32207 | D:14     | 32207 ||| SWAPPING to +9 broad axe "Kosum" {antimagic,
                  | rC+}.
 32208 | D:14     | 32208 ||| SWAPPING to +6 heavy broad axe.
 32209 | D:14     | 32209 ||| SWAPPING to +9 broad axe "Kosum" {antimagic,
                  | rC+}.
 32210 | D:14     | 32210 ||| SWAPPING to +6 heavy broad axe.
 32211 | D:14     | 32211 ||| SWAPPING to +9 broad axe "Kosum" {antimagic,
                  | rC+}.
 32212 | D:14     | 32212 ||| SWAPPING to +6 heavy broad axe.
 32213 | D:14     | 32213 ||| SWAPPING to +9 broad axe "Kosum" {antimagic,
                  | rC+}.
 32214 | D:14     | 32214 ||| SWAPPING to +6 heavy broad axe.
 32215 | D:14     | 32215 ||| SWAPPING to +9 broad axe "Kosum" {antimagic,
                  | rC+}.
 32216 | D:14     | 32216 ||| SWAPPING to +6 heavy broad axe.
 32217 | D:14     | 32217 ||| SWAPPING to +9 broad axe "Kosum" {antimagic,
                  | rC+}.
 32218 | D:14     | 32218 ||| SWAPPING to +6 heavy broad axe.
 32219 | D:14     | 32219 ||| SWAPPING to +9 broad axe "Kosum" {antimagic,
                  | rC+}.
 32220 | D:14     | 32220 ||| SWAPPING to +6 heavy broad axe.
 32221 | D:14     | 32221 ||| SWAPPING to +9 broad axe "Kosum" {antimagic,
                  | rC+}.
 32222 | D:14     | 32222 ||| SWAPPING to +6 heavy broad axe.
 32223 | D:14     | 32223 ||| SWAPPING to +9 broad axe "Kosum" {antimagic,
                  | rC+}.
 32224 | D:14     | 32224 ||| SWAPPING to +6 heavy broad axe.
 32225 | D:14     | 32225 ||| SWAPPING to +9 broad axe "Kosum" {antimagic,
                  | rC+}.
 32226 | D:14     | 32226 ||| SWAPPING to +6 heavy broad axe.
 32227 | D:14     | 32227 ||| SWAPPING to +9 broad axe "Kosum" {antimagic,
                  | rC+}.
 32228 | D:14     | 32228 ||| SWAPPING to +6 heavy broad axe.
 32229 | D:14     | 32229 ||| SWAPPING to +9 broad axe "Kosum" {antimagic,
                  | rC+}.
 32230 | D:14     | 32230 ||| SWAPPING to +6 heavy broad axe.
 32231 | D:14     | 32231 ||| SWAPPING to +9 broad axe "Kosum" {antimagic,
                  | rC+}.
 32232 | D:14     | 32232 ||| SWAPPING to +6 heavy broad axe.
 32233 | D:14     | 32233 ||| SWAPPING to +9 broad axe "Kosum" {antimagic,
                  | rC+}.
 32234 | D:14     | 32234 ||| SWAPPING to +6 heavy broad axe.
 32235 | D:14     | 32235 ||| SWAPPING to +9 broad axe "Kosum" {antimagic,
                  | rC+}.
 32236 | D:14     | 32236 ||| SWAPPING to +6 heavy broad axe.
 32237 | D:14     | 32237 ||| SWAPPING to +9 broad axe "Kosum" {antimagic,
                  | rC+}.
 32238 | D:14     | 32238 ||| SWAPPING to +6 heavy broad axe.
 32239 | D:14     | 32239 ||| SWAPPING to +9 broad axe "Kosum" {antimagic,
                  | rC+}.
 32240 | D:14     | 32240 ||| SWAPPING to +6 heavy broad axe.
 32241 | D:14     | 32241 ||| SWAPPING to +9 broad axe "Kosum" {antimagic,
                  | rC+}.
 32242 | D:14     | 32242 ||| SWAPPING to +6 heavy broad axe.
 32243 | D:14     | 32243 ||| SWAPPING to +9 broad axe "Kosum" {antimagic,
                  | rC+}.
 32244 | D:14     | 32244 ||| SWAPPING to +6 heavy broad axe.
 32245 | D:14     | 32245 ||| SWAPPING to +9 broad axe "Kosum" {antimagic,
                  | rC+}.
 32246 | D:14     | 32246 ||| SWAPPING to +6 heavy broad axe.
 32247 | D:14     | 32247 ||| SWAPPING to +9 broad axe "Kosum" {antimagic,
                  | rC+}.
 32248 | D:14     | 32248 ||| SWAPPING to +6 heavy broad axe.
 32249 | D:14     | 32249 ||| SWAPPING to +9 broad axe "Kosum" {antimagic,
                  | rC+}.
 32250 | D:14     | 32250 ||| SWAPPING to +6 heavy broad axe.
 32251 | D:14     | 32251 ||| SWAPPING to +9 broad axe "Kosum" {antimagic,
                  | rC+}.
 32252 | D:14     | 32252 ||| SWAPPING to +6 heavy broad axe.
 32253 | D:14     | 32253 ||| SWAPPING to +9 broad axe "Kosum" {antimagic,
                  | rC+}.
 32254 | D:14     | 32254 ||| SWAPPING to +6 heavy broad axe.
 32255 | D:14     | 32255 ||| SWAPPING to +9 broad axe "Kosum" {antimagic,
                  | rC+}.
 32256 | D:14     | 32256 ||| SWAPPING to +6 heavy broad axe.
 32257 | D:14     | 32257 ||| SWAPPING to +9 broad axe "Kosum" {antimagic,
                  | rC+}.
 32258 | D:14     | 32258 ||| SWAPPING to +6 heavy broad axe.
 32259 | D:14     | 32259 ||| SWAPPING to +9 broad axe "Kosum" {antimagic,
                  | rC+}.
 32260 | D:14     | 32260 ||| SWAPPING to +6 heavy broad axe.
 32261 | D:14     | 32261 ||| SWAPPING to +9 broad axe "Kosum" {antimagic,
                  | rC+}.
 32262 | D:14     | 32262 ||| SWAPPING to +6 heavy broad axe.
 32263 | D:14     | 32263 ||| SWAPPING to +9 broad axe "Kosum" {antimagic,
                  | rC+}.
 32264 | D:14     | 32264 ||| SWAPPING to +6 heavy broad axe.
 32265 | D:14     | 32265 ||| SWAPPING to +9 broad axe "Kosum" {antimagic,
                  | rC+}.
 32266 | D:14     | 32266 ||| SWAPPING to +6 heavy broad axe.
 32267 | D:14     | 32267 ||| SWAPPING to +9 broad axe "Kosum" {antimagic,
                  | rC+}.
 32268 | D:14     | 32268 ||| SWAPPING to +6 heavy broad axe.
 32269 | D:14     | 32269 ||| SWAPPING to +9 broad axe "Kosum" {antimagic,
                  | rC+}.
 32270 | D:14     | 32270 ||| SWAPPING to +6 heavy broad axe.
 32271 | D:14     | 32271 ||| SWAPPING to +9 broad axe "Kosum" {antimagic,
                  | rC+}.
 32272 | D:14     | 32272 ||| SWAPPING to +6 heavy broad axe.
 32273 | D:14     | 32273 ||| SWAPPING to +9 broad axe "Kosum" {antimagic,
                  | rC+}.
 32274 | D:14     | 32274 ||| SWAPPING to +6 heavy broad axe.
 32275 | D:14     | 32275 ||| SWAPPING to +9 broad axe "Kosum" {antimagic,
                  | rC+}.
 32276 | D:14     | 32276 ||| SWAPPING to +6 heavy broad axe.
 32277 | D:14     | 32277 ||| SWAPPING to +9 broad axe "Kosum" {antimagic,
                  | rC+}.
 32278 | D:14     | 32278 ||| SWAPPING to +6 heavy broad axe.
 32279 | D:14     | 32279 ||| SWAPPING to +9 broad axe "Kosum" {antimagic,
                  | rC+}.
 32280 | D:14     | 32280 ||| SWAPPING to +6 heavy broad axe.
 32281 | D:14     | 32281 ||| SWAPPING to +9 broad axe "Kosum" {antimagic,
                  | rC+}.
 32282 | D:14     | 32282 ||| SWAPPING to +6 heavy broad axe.
 32283 | D:14     | 32283 ||| SWAPPING to +9 broad axe "Kosum" {antimagic,
                  | rC+}.
 32284 | D:14     | 32284 ||| SWAPPING to +6 heavy broad axe.
 32285 | D:14     | 32285 ||| SWAPPING to +9 broad axe "Kosum" {antimagic,
                  | rC+}.
 32286 | D:14     | 32286 ||| SWAPPING to +6 heavy broad axe.
 32287 | D:14     | 32287 ||| SWAPPING to +9 broad axe "Kosum" {antimagic,
                  | rC+}.
 32288 | D:14     | 32288 ||| SWAPPING to +6 heavy broad axe.
 32289 | D:14     | 32289 ||| SWAPPING to +9 broad axe "Kosum" {antimagic,
                  | rC+}.
 32290 | D:14     | 32290 ||| SWAPPING to +6 heavy broad axe.
 32291 | D:14     | 32291 ||| SWAPPING to +9 broad axe "Kosum" {antimagic,
                  | rC+}.
 32292 | D:14     | 32292 ||| SWAPPING to +6 heavy broad axe.
 32293 | D:14     | 32293 ||| SWAPPING to +9 broad axe "Kosum" {antimagic,
                  | rC+}.
 32294 | D:14     | 32294 ||| SWAPPING to +6 heavy broad axe.
 32295 | D:14     | 32295 ||| SWAPPING to +9 broad axe "Kosum" {antimagic,
                  | rC+}.
 32296 | D:14     | 32296 ||| SWAPPING to +6 heavy broad axe.
 32297 | D:14     | 32297 ||| SWAPPING to +9 broad axe "Kosum" {antimagic,
                  | rC+}.
 32298 | D:14     | 32298 ||| SWAPPING to +6 heavy broad axe.
 32299 | D:14     | 32299 ||| SWAPPING to +9 broad axe "Kosum" {antimagic,
                  | rC+}.
 32300 | D:14     | 32300 ||| SWAPPING to +6 heavy broad axe.
 32301 | D:14     | 32301 ||| SWAPPING to +9 broad axe "Kosum" {antimagic,
                  | rC+}.
 32302 | D:14     | 32302 ||| SWAPPING to +6 heavy broad axe.
 32303 | D:14     | 32303 ||| SWAPPING to +9 broad axe "Kosum" {antimagic,
                  | rC+}.
 32304 | D:14     | 32304 ||| SWAPPING to +6 heavy broad axe.
 32305 | D:14     | 32305 ||| SWAPPING to +9 broad axe "Kosum" {antimagic,
                  | rC+}.
 32306 | D:14     | 32306 ||| SWAPPING to +6 heavy broad axe.
 32307 | D:14     | 32307 ||| SWAPPING to +9 broad axe "Kosum" {antimagic,
                  | rC+}.
 32308 | D:14     | 32308 ||| SWAPPING to +6 heavy broad axe.
 32309 | D:14     | 32309 ||| SWAPPING to +9 broad axe "Kosum" {antimagic,
                  | rC+}.
 32310 | D:14     | 32310 ||| SWAPPING to +6 heavy broad axe.
 32311 | D:14     | 32311 ||| SWAPPING to +9 broad axe "Kosum" {antimagic,
                  | rC+}.
 32312 | D:14     | 32312 ||| SWAPPING to +6 heavy broad axe.
 32313 | D:14     | 32313 ||| SWAPPING to +9 broad axe "Kosum" {antimagic,
                  | rC+}.
 32314 | D:14     | 32314 ||| SWAPPING to +6 heavy broad axe.
 32315 | D:14     | 32315 ||| SWAPPING to +9 broad axe "Kosum" {antimagic,
                  | rC+}.
 32316 | D:14     | 32316 ||| SWAPPING to +6 heavy broad axe.
 32317 | D:14     | 32317 ||| SWAPPING to +9 broad axe "Kosum" {antimagic,
                  | rC+}.
 32318 | D:14     | 32318 ||| SWAPPING to +6 heavy broad axe.
 32319 | D:14     | 32319 ||| SWAPPING to +9 broad axe "Kosum" {antimagic,
                  | rC+}.
 32320 | D:14     | 32320 ||| SWAPPING to +6 heavy broad axe.
 32321 | D:14     | 32321 ||| SWAPPING to +9 broad axe "Kosum" {antimagic,
                  | rC+}.
 32322 | D:14     | 32322 ||| SWAPPING to +6 heavy broad axe.
 32323 | D:14     | 32323 ||| SWAPPING to +9 broad axe "Kosum" {antimagic,
                  | rC+}.
 32324 | D:14     | 32324 ||| SWAPPING to +6 heavy broad axe.
 32325 | D:14     | 32325 ||| SWAPPING to +9 broad axe "Kosum" {antimagic,
                  | rC+}.
 32326 | D:14     | 32326 ||| SWAPPING to +6 heavy broad axe.
 32327 | D:14     | 32327 ||| SWAPPING to +9 broad axe "Kosum" {antimagic,
                  | rC+}.
 32328 | D:14     | 32328 ||| SWAPPING to +6 heavy broad axe.
 32329 | D:14     | 32329 ||| SWAPPING to +9 broad axe "Kosum" {antimagic,
                  | rC+}.
 32330 | D:14     | 32330 ||| SWAPPING to +6 heavy broad axe.
 32331 | D:14     | 32331 ||| SWAPPING to +9 broad axe "Kosum" {antimagic,
                  | rC+}.
 32332 | D:14     | 32332 ||| SWAPPING to +6 heavy broad axe.
 32333 | D:14     | 32333 ||| SWAPPING to +9 broad axe "Kosum" {antimagic,
                  | rC+}.
 32334 | D:14     | 32334 ||| SWAPPING to +6 heavy broad axe.
 32335 | D:14     | 32335 ||| SWAPPING to +9 broad axe "Kosum" {antimagic,
                  | rC+}.
 32336 | D:14     | 32336 ||| SWAPPING to +6 heavy broad axe.
 32337 | D:14     | 32337 ||| SWAPPING to +9 broad axe "Kosum" {antimagic,
                  | rC+}.
 32338 | D:14     | 32338 ||| SWAPPING to +6 heavy broad axe.
 32339 | D:14     | 32339 ||| SWAPPING to +9 broad axe "Kosum" {antimagic,
                  | rC+}.
 32340 | D:14     | 32340 ||| SWAPPING to +6 heavy broad axe.
 32341 | D:14     | 32341 ||| SWAPPING to +9 broad axe "Kosum" {antimagic,
                  | rC+}.
 32342 | D:14     | 32342 ||| SWAPPING to +6 heavy broad axe.
 32343 | D:14     | 32343 ||| SWAPPING to +9 broad axe "Kosum" {antimagic,
                  | rC+}.
 32344 | D:14     | 32344 ||| SWAPPING to +6 heavy broad axe.
 32345 | D:14     | 32345 ||| SWAPPING to +9 broad axe "Kosum" {antimagic,
                  | rC+}.
 32346 | D:14     | 32346 ||| SWAPPING to +6 heavy broad axe.
 32347 | D:14     | 32347 ||| SWAPPING to +9 broad axe "Kosum" {antimagic,
                  | rC+}.
 32348 | D:14     | 32348 ||| SWAPPING to +6 heavy broad axe.
 32349 | D:14     | 32349 ||| SWAPPING to +9 broad axe "Kosum" {antimagic,
                  | rC+}.
 32350 | D:14     | 32350 ||| SWAPPING to +6 heavy broad axe.
 32351 | D:14     | 32351 ||| SWAPPING to +9 broad axe "Kosum" {antimagic,
                  | rC+}.
 32352 | D:14     | 32352 ||| SWAPPING to +6 heavy broad axe.
 32353 | D:14     | 32353 ||| SWAPPING to +9 broad axe "Kosum" {antimagic,
                  | rC+}.
 32354 | D:14     | 32354 ||| SWAPPING to +6 heavy broad axe.
 32355 | D:14     | 32355 ||| SWAPPING to +9 broad axe "Kosum" {antimagic,
                  | rC+}.
 32356 | D:14     | 32356 ||| SWAPPING to +6 heavy broad axe.
 32357 | D:14     | 32357 ||| SWAPPING to +9 broad axe "Kosum" {antimagic,
                  | rC+}.
 32358 | D:14     | 32358 ||| SWAPPING to +6 heavy broad axe.
 32359 | D:14     | 32359 ||| SWAPPING to +9 broad axe "Kosum" {antimagic,
                  | rC+}.
 32360 | D:14     | 32360 ||| SWAPPING to +6 heavy broad axe.
 32361 | D:14     | 32361 ||| SWAPPING to +9 broad axe "Kosum" {antimagic,
                  | rC+}.
 32362 | D:14     | 32362 ||| SWAPPING to +6 heavy broad axe.
 32363 | D:14     | 32363 ||| SWAPPING to +9 broad axe "Kosum" {antimagic,
                  | rC+}.
 32364 | D:14     | 32364 ||| SWAPPING to +6 heavy broad axe.
 32365 | D:14     | 32365 ||| SWAPPING to +9 broad axe "Kosum" {antimagic,
                  | rC+}.
 32366 | D:14     | 32366 ||| SWAPPING to +6 heavy broad axe.
 32367 | D:14     | 32367 ||| SWAPPING to +9 broad axe "Kosum" {antimagic,
                  | rC+}.
 32368 | D:14     | 32368 ||| SWAPPING to +6 heavy broad axe.
 32369 | D:14     | 32369 ||| SWAPPING to +9 broad axe "Kosum" {antimagic,
                  | rC+}.
 32370 | D:14     | 32370 ||| SWAPPING to +6 heavy broad axe.
 32371 | D:14     | 32371 ||| SWAPPING to +9 broad axe "Kosum" {antimagic,
                  | rC+}.
 32372 | D:14     | 32372 ||| SWAPPING to +6 heavy broad axe.
 32373 | D:14     | 32373 ||| SWAPPING to +9 broad axe "Kosum" {antimagic,
                  | rC+}.
 32374 | D:14     | 32374 ||| SWAPPING to +6 heavy broad axe.
 32375 | D:14     | 32375 ||| SWAPPING to +9 broad axe "Kosum" {antimagic,
                  | rC+}.
 32376 | D:14     | 32376 ||| SWAPPING to +6 heavy broad axe.
 32377 | D:14     | 32377 ||| SWAPPING to +9 broad axe "Kosum" {antimagic,
                  | rC+}.
 32378 | D:14     | 32378 ||| SWAPPING to +6 heavy broad axe.
 32379 | D:14     | 32379 ||| SWAPPING to +9 broad axe "Kosum" {antimagic,
                  | rC+}.
 32380 | D:14     | 32380 ||| SWAPPING to +6 heavy broad axe.
 32381 | D:14     | 32381 ||| SWAPPING to +9 broad axe "Kosum" {antimagic,
                  | rC+}.
 32382 | D:14     | 32382 ||| SWAPPING to +6 heavy broad axe.
 32383 | D:14     | 32383 ||| SWAPPING to +9 broad axe "Kosum" {antimagic,
                  | rC+}.
 32384 | D:14     | 32384 ||| SWAPPING to +6 heavy broad axe.
 32385 | D:14     | 32385 ||| SWAPPING to +9 broad axe "Kosum" {antimagic,
                  | rC+}.
 32386 | D:14     | 32386 ||| SWAPPING to +6 heavy broad axe.
 32387 | D:14     | 32387 ||| SWAPPING to +9 broad axe "Kosum" {antimagic,
                  | rC+}.
 32388 | D:14     | 32388 ||| SWAPPING to +6 heavy broad axe.
 32389 | D:14     | 32389 ||| SWAPPING to +9 broad axe "Kosum" {antimagic,
                  | rC+}.
 32390 | D:14     | 32390 ||| SWAPPING to +6 heavy broad axe.
 32391 | D:14     | 32391 ||| SWAPPING to +9 broad axe "Kosum" {antimagic,
                  | rC+}.
 32392 | D:14     | 32392 ||| SWAPPING to +6 heavy broad axe.
 32393 | D:14     | 32393 ||| SWAPPING to +9 broad axe "Kosum" {antimagic,
                  | rC+}.
 32394 | D:14     | 32394 ||| SWAPPING to +6 heavy broad axe.
 32395 | D:14     | 32395 ||| SWAPPING to +9 broad axe "Kosum" {antimagic,
                  | rC+}.
 32396 | D:14     | 32396 ||| SWAPPING to +6 heavy broad axe.
 32397 | D:14     | 32397 ||| SWAPPING to +9 broad axe "Kosum" {antimagic,
                  | rC+}.
 32398 | D:14     | 32398 ||| SWAPPING to +6 heavy broad axe.
 32399 | D:14     | 32399 ||| SWAPPING to +9 broad axe "Kosum" {antimagic,
                  | rC+}.
 32400 | D:14     | 32400 ||| SWAPPING to +6 heavy broad axe.
 32401 | D:14     | 32401 ||| SWAPPING to +9 broad axe "Kosum" {antimagic,
                  | rC+}.
 32402 | D:14     | 32402 ||| SWAPPING to +6 heavy broad axe.
 32403 | D:14     | 32403 ||| SWAPPING to +9 broad axe "Kosum" {antimagic,
                  | rC+}.
 32404 | D:14     | 32404 ||| SWAPPING to +6 heavy broad axe.
 32405 | D:14     | 32405 ||| SWAPPING to +9 broad axe "Kosum" {antimagic,
                  | rC+}.
 32406 | D:14     | 32406 ||| SWAPPING to +6 heavy broad axe.
 32407 | D:14     | 32407 ||| SWAPPING to +9 broad axe "Kosum" {antimagic,
                  | rC+}.
 32408 | D:14     | 32408 ||| SWAPPING to +6 heavy broad axe.
 32409 | D:14     | 32409 ||| SWAPPING to +9 broad axe "Kosum" {antimagic,
                  | rC+}.
 32410 | D:14     | 32410 ||| SWAPPING to +6 heavy broad axe.
 32411 | D:14     | 32411 ||| SWAPPING to +9 broad axe "Kosum" {antimagic,
                  | rC+}.
 32412 | D:14     | 32412 ||| SWAPPING to +6 heavy broad axe.
 32413 | D:14     | 32413 ||| SWAPPING to +9 broad axe "Kosum" {antimagic,
                  | rC+}.
 32414 | D:14     | 32414 ||| SWAPPING to +6 heavy broad axe.
 32415 | D:14     | 32415 ||| SWAPPING to +9 broad axe "Kosum" {antimagic,
                  | rC+}.
 32416 | D:14     | 32416 ||| SWAPPING to +6 heavy broad axe.
 32417 | D:14     | 32417 ||| SWAPPING to +9 broad axe "Kosum" {antimagic,
                  | rC+}.
 32418 | D:14     | 32418 ||| SWAPPING to +6 heavy broad axe.
 32419 | D:14     | 32419 ||| SWAPPING to +9 broad axe "Kosum" {antimagic,
                  | rC+}.
 32420 | D:14     | 32420 ||| SWAPPING to +6 heavy broad axe.
 32421 | D:14     | 32421 ||| SWAPPING to +9 broad axe "Kosum" {antimagic,
                  | rC+}.
 32422 | D:14     | 32422 ||| SWAPPING to +6 heavy broad axe.
 32423 | D:14     | 32423 ||| SWAPPING to +9 broad axe "Kosum" {antimagic,
                  | rC+}.
 32424 | D:14     | 32424 ||| SWAPPING to +6 heavy broad axe.
 32425 | D:14     | 32425 ||| SWAPPING to +9 broad axe "Kosum" {antimagic,
                  | rC+}.
 32426 | D:14     | 32426 ||| SWAPPING to +6 heavy broad axe.
 32427 | D:14     | 32427 ||| SWAPPING to +9 broad axe "Kosum" {antimagic,
                  | rC+}.
 32428 | D:14     | 32428 ||| SWAPPING to +6 heavy broad axe.
 32429 | D:14     | 32429 ||| SWAPPING to +9 broad axe "Kosum" {antimagic,
                  | rC+}.
 32430 | D:14     | 32430 ||| SWAPPING to +6 heavy broad axe.
 32431 | D:14     | 32431 ||| SWAPPING to +9 broad axe "Kosum" {antimagic,
                  | rC+}.
 32432 | D:14     | 32432 ||| SWAPPING to +6 heavy broad axe.
 32433 | D:14     | 32433 ||| SWAPPING to +9 broad axe "Kosum" {antimagic,
                  | rC+}.
 32434 | D:14     | 32434 ||| SWAPPING to +6 heavy broad axe.
 32435 | D:14     | 32435 ||| SWAPPING to +9 broad axe "Kosum" {antimagic,
                  | rC+}.
 32436 | D:14     | 32436 ||| SWAPPING to +6 heavy broad axe.
 32437 | D:14     | 32437 ||| SWAPPING to +9 broad axe "Kosum" {antimagic,
                  | rC+}.
 32438 | D:14     | 32438 ||| SWAPPING to +6 heavy broad axe.
 32439 | D:14     | 32439 ||| SWAPPING to +9 broad axe "Kosum" {antimagic,
                  | rC+}.
 32440 | D:14     | 32440 ||| SWAPPING to +6 heavy broad axe.
 32441 | D:14     | 32441 ||| SWAPPING to +9 broad axe "Kosum" {antimagic,
                  | rC+}.
 32442 | D:14     | 32442 ||| SWAPPING to +6 heavy broad axe.
 32443 | D:14     | 32443 ||| SWAPPING to +9 broad axe "Kosum" {antimagic,
                  | rC+}.
 32444 | D:14     | 32444 ||| SWAPPING to +6 heavy broad axe.
 32445 | D:14     | 32445 ||| SWAPPING to +9 broad axe "Kosum" {antimagic,
                  | rC+}.
 32446 | D:14     | 32446 ||| SWAPPING to +6 heavy broad axe.
 32447 | D:14     | 32447 ||| SWAPPING to +9 broad axe "Kosum" {antimagic,
                  | rC+}.
 32448 | D:14     | 32448 ||| SWAPPING to +6 heavy broad axe.
 32449 | D:14     | 32449 ||| SWAPPING to +9 broad axe "Kosum" {antimagic,
                  | rC+}.
 32450 | D:14     | 32450 ||| SWAPPING to +6 heavy broad axe.
 32451 | D:14     | 32451 ||| SWAPPING to +9 broad axe "Kosum" {antimagic,
                  | rC+}.
 32452 | D:14     | 32452 ||| SWAPPING to +6 heavy broad axe.
 32453 | D:14     | 32453 ||| SWAPPING to +9 broad axe "Kosum" {antimagic,
                  | rC+}.
 32454 | D:14     | 32454 ||| SWAPPING to +6 heavy broad axe.
 32455 | D:14     | 32455 ||| SWAPPING to +9 broad axe "Kosum" {antimagic,
                  | rC+}.
 32456 | D:14     | 32456 ||| SWAPPING to +6 heavy broad axe.
 32457 | D:14     | 32457 ||| SWAPPING to +9 broad axe "Kosum" {antimagic,
                  | rC+}.
 32458 | D:14     | 32458 ||| SWAPPING to +6 heavy broad axe.
 32459 | D:14     | 32459 ||| SWAPPING to +9 broad axe "Kosum" {antimagic,
                  | rC+}.
 32460 | D:14     | 32460 ||| SWAPPING to +6 heavy broad axe.
 32461 | D:14     | 32461 ||| SWAPPING to +9 broad axe "Kosum" {antimagic,
                  | rC+}.
 32462 | D:14     | 32462 ||| SWAPPING to +6 heavy broad axe.
 32463 | D:14     | 32463 ||| SWAPPING to +9 broad axe "Kosum" {antimagic,
                  | rC+}.
 32464 | D:14     | 32464 ||| SWAPPING to +6 heavy broad axe.
 32465 | D:14     | 32465 ||| SWAPPING to +9 broad axe "Kosum" {antimagic,
                  | rC+}.
 32466 | D:14     | 32466 ||| SWAPPING to +6 heavy broad axe.
 32467 | D:14     | 32467 ||| SWAPPING to +9 broad axe "Kosum" {antimagic,
                  | rC+}.
 32468 | D:14     | 32468 ||| SWAPPING to +6 heavy broad axe.
 32469 | D:14     | 32469 ||| SWAPPING to +9 broad axe "Kosum" {antimagic,
                  | rC+}.
 32470 | D:14     | 32470 ||| SWAPPING to +6 heavy broad axe.
 32471 | D:14     | 32471 ||| SWAPPING to +9 broad axe "Kosum" {antimagic,
                  | rC+}.
 32472 | D:14     | 32472 ||| SWAPPING to +6 heavy broad axe.
 32473 | D:14     | 32473 ||| SWAPPING to +9 broad axe "Kosum" {antimagic,
                  | rC+}.
 32474 | D:14     | 32474 ||| SWAPPING to +6 heavy broad axe.
 32475 | D:14     | 32475 ||| SWAPPING to +9 broad axe "Kosum" {antimagic,
                  | rC+}.
 32476 | D:14     | 32476 ||| SWAPPING to +6 heavy broad axe.
 32477 | D:14     | 32477 ||| SWAPPING to +9 broad axe "Kosum" {antimagic,
                  | rC+}.
 32478 | D:14     | 32478 ||| SWAPPING to +6 heavy broad axe.
 32479 | D:14     | 32479 ||| SWAPPING to +9 broad axe "Kosum" {antimagic,
                  | rC+}.
 32480 | D:14     | 32480 ||| SWAPPING to +6 heavy broad axe.
 32481 | D:14     | 32481 ||| SWAPPING to +9 broad axe "Kosum" {antimagic,
                  | rC+}.
 32482 | D:14     | 32482 ||| SWAPPING to +6 heavy broad axe.
 32483 | D:14     | 32483 ||| SWAPPING to +9 broad axe "Kosum" {antimagic,
                  | rC+}.
 32484 | D:14     | 32484 ||| SWAPPING to +6 heavy broad axe.
 32485 | D:14     | 32485 ||| SWAPPING to +9 broad axe "Kosum" {antimagic,
                  | rC+}.
 32486 | D:14     | 32486 ||| SWAPPING to +6 heavy broad axe.
 32487 | D:14     | 32487 ||| SWAPPING to +9 broad axe "Kosum" {antimagic,
                  | rC+}.
 32488 | D:14     | 32488 ||| SWAPPING to +6 heavy broad axe.
 32489 | D:14     | 32489 ||| SWAPPING to +9 broad axe "Kosum" {antimagic,
                  | rC+}.
 32490 | D:14     | 32490 ||| SWAPPING to +6 heavy broad axe.
 32491 | D:14     | 32491 ||| SWAPPING to +9 broad axe "Kosum" {antimagic,
                  | rC+}.
 32492 | D:14     | 32492 ||| SWAPPING to +6 heavy broad axe.
 32493 | D:14     | 32493 ||| SWAPPING to +9 broad axe "Kosum" {antimagic,
                  | rC+}.
 32494 | D:14     | 32494 ||| SWAPPING to +6 heavy broad axe.
 32495 | D:14     | 32495 ||| SWAPPING to +9 broad axe "Kosum" {antimagic,
                  | rC+}.
 32496 | D:14     | 32496 ||| SWAPPING to +6 heavy broad axe.
 32497 | D:14     | 32497 ||| SWAPPING to +9 broad axe "Kosum" {antimagic,
                  | rC+}.
 32498 | D:14     | 32498 ||| SWAPPING to +6 heavy broad axe.
 32499 | D:14     | 32499 ||| SWAPPING to +9 broad axe "Kosum" {antimagic,
                  | rC+}.
 32500 | D:14     | 32500 ||| SWAPPING to +6 heavy broad axe.
 32501 | D:14     | 32501 ||| SWAPPING to +9 broad axe "Kosum" {antimagic,
                  | rC+}.
 32502 | D:14     | 32502 ||| SWAPPING to +6 heavy broad axe.
 32503 | D:14     | 32503 ||| SWAPPING to +9 broad axe "Kosum" {antimagic,
                  | rC+}.
 32504 | D:14     | 32504 ||| SWAPPING to +6 heavy broad axe.
 32505 | D:14     | 32505 ||| SWAPPING to +9 broad axe "Kosum" {antimagic,
                  | rC+}.
 32506 | D:14     | 32506 ||| SWAPPING to +6 heavy broad axe.
 32507 | D:14     | 32507 ||| SWAPPING to +9 broad axe "Kosum" {antimagic,
                  | rC+}.
 32508 | D:14     | 32508 ||| SWAPPING to +6 heavy broad axe.
 32509 | D:14     | 32509 ||| SWAPPING to +9 broad axe "Kosum" {antimagic,
                  | rC+}.
 32510 | D:14     | 32510 ||| SWAPPING to +6 heavy broad axe.
 32511 | D:14     | 32511 ||| SWAPPING to +9 broad axe "Kosum" {antimagic,
                  | rC+}.
 32512 | D:14     | 32512 ||| SWAPPING to +6 heavy broad axe.
 32513 | D:14     | 32513 ||| SWAPPING to +9 broad axe "Kosum" {antimagic,
                  | rC+}.
 32514 | D:14     | 32514 ||| SWAPPING to +6 heavy broad axe.
 32515 | D:14     | 32515 ||| SWAPPING to +9 broad axe "Kosum" {antimagic,
                  | rC+}.
 32516 | D:14     | 32516 ||| SWAPPING to +6 heavy broad axe.
 32517 | D:14     | 32517 ||| SWAPPING to +9 broad axe "Kosum" {antimagic,
                  | rC+}.
 32518 | D:14     | 32518 ||| SWAPPING to +6 heavy broad axe.
 32519 | D:14     | 32519 ||| SWAPPING to +9 broad axe "Kosum" {antimagic,
                  | rC+}.
 32520 | D:14     | 32520 ||| SWAPPING to +6 heavy broad axe.
 32521 | D:14     | 32521 ||| SWAPPING to +9 broad axe "Kosum" {antimagic,
                  | rC+}.
 32522 | D:14     | 32522 ||| SWAPPING to +6 heavy broad axe.
 32523 | D:14     | 32523 ||| SWAPPING to +9 broad axe "Kosum" {antimagic,
                  | rC+}.
 32524 | D:14     | 32524 ||| SWAPPING to +6 heavy broad axe.
 32525 | D:14     | 32525 ||| SWAPPING to +9 broad axe "Kosum" {antimagic,
                  | rC+}.
 32526 | D:14     | 32526 ||| SWAPPING to +6 heavy broad axe.
 32527 | D:14     | 32527 ||| SWAPPING to +9 broad axe "Kosum" {antimagic,
                  | rC+}.
 32528 | D:14     | 32528 ||| SWAPPING to +6 heavy broad axe.
 32529 | D:14     | 32529 ||| SWAPPING to +9 broad axe "Kosum" {antimagic,
                  | rC+}.
 32530 | D:14     | 32530 ||| SWAPPING to +6 heavy broad axe.
 32531 | D:14     | 32531 ||| SWAPPING to +9 broad axe "Kosum" {antimagic,
                  | rC+}.
 32532 | D:14     | 32532 ||| SWAPPING to +6 heavy broad axe.
 32533 | D:14     | 32533 ||| SWAPPING to +9 broad axe "Kosum" {antimagic,
                  | rC+}.
 32534 | D:14     | 32534 ||| SWAPPING to +6 heavy broad axe.
 32535 | D:14     | 32535 ||| SWAPPING to +9 broad axe "Kosum" {antimagic,
                  | rC+}.
 32536 | D:14     | 32536 ||| SWAPPING to +6 heavy broad axe.
 32537 | D:14     | 32537 ||| SWAPPING to +9 broad axe "Kosum" {antimagic,
                  | rC+}.
 32538 | D:14     | 32538 ||| SWAPPING to +6 heavy broad axe.
 32539 | D:14     | 32539 ||| SWAPPING to +9 broad axe "Kosum" {antimagic,
                  | rC+}.
 32540 | D:14     | 32540 ||| SWAPPING to +6 heavy broad axe.
 32541 | D:14     | 32541 ||| SWAPPING to +9 broad axe "Kosum" {antimagic,
                  | rC+}.
 32542 | D:14     | 32542 ||| SWAPPING to +6 heavy broad axe.
 32543 | D:14     | 32543 ||| SWAPPING to +9 broad axe "Kosum" {antimagic,
                  | rC+}.
 32544 | D:14     | 32544 ||| SWAPPING to +6 heavy broad axe.
 32545 | D:14     | 32545 ||| SWAPPING to +9 broad axe "Kosum" {antimagic,
                  | rC+}.
 32546 | D:14     | 32546 ||| SWAPPING to +6 heavy broad axe.
 32547 | D:14     | 32547 ||| SWAPPING to +9 broad axe "Kosum" {antimagic,
                  | rC+}.
 32548 | D:14     | 32548 ||| SWAPPING to +6 heavy broad axe.
 32549 | D:14     | 32549 ||| SWAPPING to +9 broad axe "Kosum" {antimagic,
                  | rC+}.
 32550 | D:14     | 32550 ||| SWAPPING to +6 heavy broad axe.
 32551 | D:14     | 32551 ||| SWAPPING to +9 broad axe "Kosum" {antimagic,
                  | rC+}.
 32552 | D:14     | 32552 ||| SWAPPING to +6 heavy broad axe.
 32553 | D:14     | 32553 ||| SWAPPING to +9 broad axe "Kosum" {antimagic,
                  | rC+}.
 32554 | D:14     | 32554 ||| SWAPPING to +6 heavy broad axe.
 32555 | D:14     | 32555 ||| SWAPPING to +9 broad axe "Kosum" {antimagic,
                  | rC+}.
 32556 | D:14     | 32556 ||| SWAPPING to +6 heavy broad axe.
 32557 | D:14     | 32557 ||| SWAPPING to +9 broad axe "Kosum" {antimagic,
                  | rC+}.
 32558 | D:14     | 32558 ||| SWAPPING to +6 heavy broad axe.
 32559 | D:14     | 32559 ||| SWAPPING to +9 broad axe "Kosum" {antimagic,
                  | rC+}.
 32560 | D:14     | 32560 ||| SWAPPING to +6 heavy broad axe.
 32561 | D:14     | 32561 ||| SWAPPING to +9 broad axe "Kosum" {antimagic,
                  | rC+}.
 32562 | D:14     | 32562 ||| SWAPPING to +6 heavy broad axe.
 32563 | D:14     | 32563 ||| SWAPPING to +9 broad axe "Kosum" {antimagic,
                  | rC+}.
 32564 | D:14     | 32564 ||| SWAPPING to +6 heavy broad axe.
 32565 | D:14     | 32565 ||| SWAPPING to +9 broad axe "Kosum" {antimagic,
                  | rC+}.
 32566 | D:14     | 32566 ||| SWAPPING to +6 heavy broad axe.
 32567 | D:14     | 32567 ||| SWAPPING to +9 broad axe "Kosum" {antimagic,
                  | rC+}.
 32568 | D:14     | 32568 ||| SWAPPING to +6 heavy broad axe.
 32569 | D:14     | 32569 ||| SWAPPING to +9 broad axe "Kosum" {antimagic,
                  | rC+}.
 32570 | D:14     | 32570 ||| SWAPPING to +6 heavy broad axe.
 32571 | D:14     | 32571 ||| SWAPPING to +9 broad axe "Kosum" {antimagic,
                  | rC+}.
 32572 | D:14     | 32572 ||| SWAPPING to +6 heavy broad axe.
 32573 | D:14     | 32573 ||| SWAPPING to +9 broad axe "Kosum" {antimagic,
                  | rC+}.
 32574 | D:14     | 32574 ||| SWAPPING to +6 heavy broad axe.
 32575 | D:14     | 32575 ||| SWAPPING to +9 broad axe "Kosum" {antimagic,
                  | rC+}.
 32576 | D:14     | 32576 ||| SWAPPING to +6 heavy broad axe.
 32577 | D:14     | 32577 ||| SWAPPING to +9 broad axe "Kosum" {antimagic,
                  | rC+}.
 32578 | D:14     | 32578 ||| SWAPPING to +6 heavy broad axe.
 32579 | D:14     | 32579 ||| SWAPPING to +9 broad axe "Kosum" {antimagic,
                  | rC+}.
 32580 | D:14     | 32580 ||| SWAPPING to +6 heavy broad axe.
 32581 | D:14     | 32581 ||| SWAPPING to +9 broad axe "Kosum" {antimagic,
                  | rC+}.
 32582 | D:14     | 32582 ||| SWAPPING to +6 heavy broad axe.
 32583 | D:14     | 32583 ||| SWAPPING to +9 broad axe "Kosum" {antimagic,
                  | rC+}.
 32584 | D:14     | 32584 ||| SWAPPING to +6 heavy broad axe.
 32585 | D:14     | 32585 ||| SWAPPING to +9 broad axe "Kosum" {antimagic,
                  | rC+}.
 32586 | D:14     | 32586 ||| SWAPPING to +6 heavy broad axe.
 32587 | D:14     | 32587 ||| SWAPPING to +9 broad axe "Kosum" {antimagic,
                  | rC+}.
 32588 | D:14     | 32588 ||| SWAPPING to +6 heavy broad axe.
 32589 | D:14     | 32589 ||| SWAPPING to +9 broad axe "Kosum" {antimagic,
                  | rC+}.
 32590 | D:14     | 32590 ||| SWAPPING to +6 heavy broad axe.
 32591 | D:14     | 32591 ||| SWAPPING to +9 broad axe "Kosum" {antimagic,
                  | rC+}.
 32592 | D:14     | 32592 ||| SWAPPING to +6 heavy broad axe.
 32593 | D:14     | 32593 ||| SWAPPING to +9 broad axe "Kosum" {antimagic,
                  | rC+}.
 32594 | D:14     | 32594 ||| SWAPPING to +6 heavy broad axe.
 32595 | D:14     | 32595 ||| SWAPPING to +9 broad axe "Kosum" {antimagic,
                  | rC+}.
 32596 | D:14     | 32596 ||| SWAPPING to +6 heavy broad axe.
 32597 | D:14     | 32597 ||| SWAPPING to +9 broad axe "Kosum" {antimagic,
                  | rC+}.
 32598 | D:14     | 32598 ||| SWAPPING to +6 heavy broad axe.
 32599 | D:14     | 32599 ||| SWAPPING to +9 broad axe "Kosum" {antimagic,
                  | rC+}.
 32600 | D:14     | 32600 ||| SWAPPING to +6 heavy broad axe.
 32601 | D:14     | 32601 ||| SWAPPING to +9 broad axe "Kosum" {antimagic,
                  | rC+}.
 32602 | D:14     | 32602 ||| SWAPPING to +6 heavy broad axe.
 32603 | D:14     | 32603 ||| SWAPPING to +9 broad axe "Kosum" {antimagic,
                  | rC+}.
 32604 | D:14     | 32604 ||| SWAPPING to +6 heavy broad axe.
 32605 | D:14     | 32605 ||| SWAPPING to +9 broad axe "Kosum" {antimagic,
                  | rC+}.
 32606 | D:14     | 32606 ||| SWAPPING to +6 heavy broad axe.
 32607 | D:14     | 32607 ||| SWAPPING to +9 broad axe "Kosum" {antimagic,
                  | rC+}.
 32608 | D:14     | 32608 ||| SWAPPING to +6 heavy broad axe.
 32609 | D:14     | 32609 ||| SWAPPING to +9 broad axe "Kosum" {antimagic,
                  | rC+}.
 32610 | D:14     | 32610 ||| SWAPPING to +6 heavy broad axe.
 32611 | D:14     | 32611 ||| SWAPPING to +9 broad axe "Kosum" {antimagic,
                  | rC+}.
 32612 | D:14     | 32612 ||| SWAPPING to +6 heavy broad axe.
 32613 | D:14     | 32613 ||| SWAPPING to +9 broad axe "Kosum" {antimagic,
                  | rC+}.
 32614 | D:14     | 32614 ||| SWAPPING to +6 heavy broad axe.
 32615 | D:14     | 32615 ||| SWAPPING to +9 broad axe "Kosum" {antimagic,
                  | rC+}.
 32616 | D:14     | 32616 ||| SWAPPING to +6 heavy broad axe.
 32617 | D:14     | 32617 ||| SWAPPING to +9 broad axe "Kosum" {antimagic,
                  | rC+}.
 32618 | D:14     | 32618 ||| SWAPPING to +6 heavy broad axe.
 32619 | D:14     | 32619 ||| SWAPPING to +9 broad axe "Kosum" {antimagic,
                  | rC+}.
 32620 | D:14     | 32620 ||| SWAPPING to +6 heavy broad axe.
 32621 | D:14     | 32621 ||| SWAPPING to +9 broad axe "Kosum" {antimagic,
                  | rC+}.
 32622 | D:14     | 32622 ||| SWAPPING to +6 heavy broad axe.
 32623 | D:14     | 32623 ||| SWAPPING to +9 broad axe "Kosum" {antimagic,
                  | rC+}.
 32624 | D:14     | 32624 ||| SWAPPING to +6 heavy broad axe.
 32625 | D:14     | 32625 ||| SWAPPING to +9 broad axe "Kosum" {antimagic,
                  | rC+}.
 32626 | D:14     | 32626 ||| SWAPPING to +6 heavy broad axe.
 32627 | D:14     | 32627 ||| SWAPPING to +9 broad axe "Kosum" {antimagic,
                  | rC+}.
 32628 | D:14     | 32628 ||| SWAPPING to +6 heavy broad axe.
 32629 | D:14     | 32629 ||| SWAPPING to +9 broad axe "Kosum" {antimagic,
                  | rC+}.
 32630 | D:14     | 32630 ||| SWAPPING to +6 heavy broad axe.
 32631 | D:14     | 32631 ||| SWAPPING to +9 broad axe "Kosum" {antimagic,
                  | rC+}.
 32632 | D:14     | 32632 ||| SWAPPING to +6 heavy broad axe.
 32633 | D:14     | 32633 ||| SWAPPING to +9 broad axe "Kosum" {antimagic,
                  | rC+}.
 32634 | D:14     | 32634 ||| SWAPPING to +6 heavy broad axe.
 32635 | D:14     | 32635 ||| SWAPPING to +9 broad axe "Kosum" {antimagic,
                  | rC+}.
 32636 | D:14     | 32636 ||| SWAPPING to +6 heavy broad axe.
 32637 | D:14     | 32637 ||| SWAPPING to +9 broad axe "Kosum" {antimagic,
                  | rC+}.
 32638 | D:14     | 32638 ||| SWAPPING to +6 heavy broad axe.
 32639 | D:14     | 32639 ||| SWAPPING to +9 broad axe "Kosum" {antimagic,
                  | rC+}.
 32640 | D:14     | 32640 ||| SWAPPING to +6 heavy broad axe.
 32641 | D:14     | 32641 ||| SWAPPING to +9 broad axe "Kosum" {antimagic,
                  | rC+}.
 32642 | D:14     | 32642 ||| SWAPPING to +6 heavy broad axe.
 32643 | D:14     | 32643 ||| SWAPPING to +9 broad axe "Kosum" {antimagic,
                  | rC+}.
 32644 | D:14     | 32644 ||| SWAPPING to +6 heavy broad axe.
 32645 | D:14     | 32645 ||| SWAPPING to +9 broad axe "Kosum" {antimagic,
                  | rC+}.
 32646 | D:14     | 32646 ||| SWAPPING to +6 heavy broad axe.
 32647 | D:14     | 32647 ||| SWAPPING to +9 broad axe "Kosum" {antimagic,
                  | rC+}.
 32648 | D:14     | 32648 ||| SWAPPING to +6 heavy broad axe.
 32649 | D:14     | 32649 ||| SWAPPING to +9 broad axe "Kosum" {antimagic,
                  | rC+}.
 32650 | D:14     | 32650 ||| SWAPPING to +6 heavy broad axe.
 32651 | D:14     | 32651 ||| SWAPPING to +9 broad axe "Kosum" {antimagic,
                  | rC+}.
 32652 | D:14     | 32652 ||| SWAPPING to +6 heavy broad axe.
 32653 | D:14     | 32653 ||| SWAPPING to +9 broad axe "Kosum" {antimagic,
                  | rC+}.
 32654 | D:14     | 32654 ||| SWAPPING to +6 heavy broad axe.
 32655 | D:14     | 32655 ||| SWAPPING to +9 broad axe "Kosum" {antimagic,
                  | rC+}.
 32656 | D:14     | 32656 ||| SWAPPING to +6 heavy broad axe.
 32657 | D:14     | 32657 ||| SWAPPING to +9 broad axe "Kosum" {antimagic,
                  | rC+}.
 32658 | D:14     | 32658 ||| SWAPPING to +6 heavy broad axe.
 32659 | D:14     | 32659 ||| SWAPPING to +9 broad axe "Kosum" {antimagic,
                  | rC+}.
 32660 | D:14     | 32660 ||| SWAPPING to +6 heavy broad axe.
 32661 | D:14     | 32661 ||| SWAPPING to +9 broad axe "Kosum" {antimagic,
                  | rC+}.
 32662 | D:14     | 32662 ||| SWAPPING to +6 heavy broad axe.
 32663 | D:14     | 32663 ||| SWAPPING to +9 broad axe "Kosum" {antimagic,
                  | rC+}.
 32664 | D:14     | 32664 ||| SWAPPING to +6 heavy broad axe.
 32665 | D:14     | 32665 ||| SWAPPING to +9 broad axe "Kosum" {antimagic,
                  | rC+}.
 32666 | D:14     | 32666 ||| SWAPPING to +6 heavy broad axe.
 32667 | D:14     | 32667 ||| SWAPPING to +9 broad axe "Kosum" {antimagic,
                  | rC+}.
 32668 | D:14     | 32668 ||| SWAPPING to +6 heavy broad axe.
 32669 | D:14     | 32669 ||| SWAPPING to +9 broad axe "Kosum" {antimagic,
                  | rC+}.
 32670 | D:14     | 32670 ||| SWAPPING to +6 heavy broad axe.
 32671 | D:14     | 32671 ||| SWAPPING to +9 broad axe "Kosum" {antimagic,
                  | rC+}.
 32672 | D:14     | 32672 ||| SWAPPING to +6 heavy broad axe.
 32673 | D:14     | 32673 ||| SWAPPING to +9 broad axe "Kosum" {antimagic,
                  | rC+}.
 32674 | D:14     | 32674 ||| SWAPPING to +6 heavy broad axe.
 32675 | D:14     | 32675 ||| SWAPPING to +9 broad axe "Kosum" {antimagic,
                  | rC+}.
 32676 | D:14     | 32676 ||| SWAPPING to +6 heavy broad axe.
 32677 | D:14     | 32677 ||| SWAPPING to +9 broad axe "Kosum" {antimagic,
                  | rC+}.
 32678 | D:14     | 32678 ||| SWAPPING to +6 heavy broad axe.
 32679 | D:14     | 32679 ||| SWAPPING to +9 broad axe "Kosum" {antimagic,
                  | rC+}.
 32680 | D:14     | 32680 ||| SWAPPING to +6 heavy broad axe.
 32681 | D:14     | 32681 ||| SWAPPING to +9 broad axe "Kosum" {antimagic,
                  | rC+}.
 32682 | D:14     | 32682 ||| SWAPPING to +6 heavy broad axe.
 32683 | D:14     | 32683 ||| SWAPPING to +9 broad axe "Kosum" {antimagic,
                  | rC+}.
 32684 | D:14     | 32684 ||| SWAPPING to +6 heavy broad axe.
 32685 | D:14     | 32685 ||| SWAPPING to +9 broad axe "Kosum" {antimagic,
                  | rC+}.
 32686 | D:14     | 32686 ||| SWAPPING to +6 heavy broad axe.
 32687 | D:14     | 32687 ||| SWAPPING to +9 broad axe "Kosum" {antimagic,
                  | rC+}.
 32688 | D:14     | 32688 ||| SWAPPING to +6 heavy broad axe.
 32689 | D:14     | 32689 ||| SWAPPING to +9 broad axe "Kosum" {antimagic,
                  | rC+}.
 32690 | D:14     | 32690 ||| SWAPPING to +6 heavy broad axe.
 32691 | D:14     | 32691 ||| SWAPPING to +9 broad axe "Kosum" {antimagic,
                  | rC+}.
 32692 | D:14     | 32692 ||| SWAPPING to +6 heavy broad axe.
 32693 | D:14     | 32693 ||| SWAPPING to +9 broad axe "Kosum" {antimagic,
                  | rC+}.
 32694 | D:14     | 32694 ||| SWAPPING to +6 heavy broad axe.
 32695 | D:14     | 32695 ||| SWAPPING to +9 broad axe "Kosum" {antimagic,
                  | rC+}.
 32696 | D:14     | 32696 ||| SWAPPING to +6 heavy broad axe.
 32697 | D:14     | 32697 ||| SWAPPING to +9 broad axe "Kosum" {antimagic,
                  | rC+}.
 32698 | D:14     | 32698 ||| SWAPPING to +6 heavy broad axe.
 32699 | D:14     | 32699 ||| SWAPPING to +9 broad axe "Kosum" {antimagic,
                  | rC+}.
 32700 | D:14     | 32700 ||| SWAPPING to +6 heavy broad axe.
 32701 | D:14     | 32701 ||| SWAPPING to +9 broad axe "Kosum" {antimagic,
                  | rC+}.
 32702 | D:14     | 32702 ||| SWAPPING to +6 heavy broad axe.
 32703 | D:14     | 32703 ||| SWAPPING to +9 broad axe "Kosum" {antimagic,
                  | rC+}.
 32704 | D:14     | 32704 ||| SWAPPING to +6 heavy broad axe.
 32705 | D:14     | 32705 ||| SWAPPING to +9 broad axe "Kosum" {antimagic,
                  | rC+}.
 32706 | D:14     | 32706 ||| SWAPPING to +6 heavy broad axe.
 32707 | D:14     | 32707 ||| SWAPPING to +9 broad axe "Kosum" {antimagic,
                  | rC+}.
 32708 | D:14     | 32708 ||| SWAPPING to +6 heavy broad axe.
 32709 | D:14     | 32709 ||| SWAPPING to +9 broad axe "Kosum" {antimagic,
                  | rC+}.
 32710 | D:14     | 32710 ||| SWAPPING to +6 heavy broad axe.
 32711 | D:14     | 32711 ||| SWAPPING to +9 broad axe "Kosum" {antimagic,
                  | rC+}.
 32712 | D:14     | 32712 ||| SWAPPING to +6 heavy broad axe.
 32713 | D:14     | 32713 ||| SWAPPING to +9 broad axe "Kosum" {antimagic,
                  | rC+}.
 32714 | D:14     | 32714 ||| SWAPPING to +6 heavy broad axe.
 32715 | D:14     | 32715 ||| SWAPPING to +9 broad axe "Kosum" {antimagic,
                  | rC+}.
 32716 | D:14     | 32716 ||| SWAPPING to +6 heavy broad axe.
 32717 | D:14     | 32717 ||| SWAPPING to +9 broad axe "Kosum" {antimagic,
                  | rC+}.
 32718 | D:14     | 32718 ||| SWAPPING to +6 heavy broad axe.
 32719 | D:14     | 32719 ||| SWAPPING to +9 broad axe "Kosum" {antimagic,
                  | rC+}.
 32720 | D:14     | 32720 ||| SWAPPING to +6 heavy broad axe.
 32721 | D:14     | 32721 ||| SWAPPING to +9 broad axe "Kosum" {antimagic,
                  | rC+}.
 32722 | D:14     | 32722 ||| SWAPPING to +6 heavy broad axe.
 32723 | D:14     | 32723 ||| SWAPPING to +9 broad axe "Kosum" {antimagic,
                  | rC+}.
 32724 | D:14     | 32724 ||| SWAPPING to +6 heavy broad axe.
 32725 | D:14     | 32725 ||| SWAPPING to +9 broad axe "Kosum" {antimagic,
                  | rC+}.
 32726 | D:14     | 32726 ||| SWAPPING to +6 heavy broad axe.
 32727 | D:14     | 32727 ||| SWAPPING to +9 broad axe "Kosum" {antimagic,
                  | rC+}.
 32728 | D:14     | 32728 ||| SWAPPING to +6 heavy broad axe.
 32729 | D:14     | 32729 ||| SWAPPING to +9 broad axe "Kosum" {antimagic,
                  | rC+}.
 32730 | D:14     | 32730 ||| SWAPPING to +6 heavy broad axe.
 32731 | D:14     | 32731 ||| SWAPPING to +9 broad axe "Kosum" {antimagic,
                  | rC+}.
 32732 | D:14     | 32732 ||| SWAPPING to +6 heavy broad axe.
 32733 | D:14     | 32733 ||| SWAPPING to +9 broad axe "Kosum" {antimagic,
                  | rC+}.
 32734 | D:14     | 32734 ||| SWAPPING to +6 heavy broad axe.
 32735 | D:14     | 32735 ||| SWAPPING to +9 broad axe "Kosum" {antimagic,
                  | rC+}.
 32736 | D:14     | 32736 ||| SWAPPING to +6 heavy broad axe.
 32737 | D:14     | 32737 ||| SWAPPING to +9 broad axe "Kosum" {antimagic,
                  | rC+}.
 32738 | D:14     | 32738 ||| SWAPPING to +6 heavy broad axe.
 32739 | D:14     | 32739 ||| SWAPPING to +9 broad axe "Kosum" {antimagic,
                  | rC+}.
 32740 | D:14     | 32740 ||| SWAPPING to +6 heavy broad axe.
 32741 | D:14     | 32741 ||| SWAPPING to +9 broad axe "Kosum" {antimagic,
                  | rC+}.
 32742 | D:14     | 32742 ||| SWAPPING to +6 heavy broad axe.
 32743 | D:14     | 32743 ||| SWAPPING to +9 broad axe "Kosum" {antimagic,
                  | rC+}.
 32744 | D:14     | 32744 ||| SWAPPING to +6 heavy broad axe.
 32745 | D:14     | 32745 ||| SWAPPING to +9 broad axe "Kosum" {antimagic,
                  | rC+}.
 32746 | D:14     | 32746 ||| SWAPPING to +6 heavy broad axe.
 32747 | D:14     | 32747 ||| SWAPPING to +9 broad axe "Kosum" {antimagic,
                  | rC+}.
 32748 | D:14     | 32748 ||| SWAPPING to +6 heavy broad axe.
 32749 | D:14     | 32749 ||| SWAPPING to +9 broad axe "Kosum" {antimagic,
                  | rC+}.
 32750 | D:14     | 32750 ||| SWAPPING to +6 heavy broad axe.
 32751 | D:14     | 32751 ||| SWAPPING to +9 broad axe "Kosum" {antimagic,
                  | rC+}.
 32752 | D:14     | 32752 ||| SWAPPING to +6 heavy broad axe.
 32753 | D:14     | 32753 ||| SWAPPING to +9 broad axe "Kosum" {antimagic,
                  | rC+}.
 32754 | D:14     | 32754 ||| SWAPPING to +6 heavy broad axe.
 32755 | D:14     | 32755 ||| SWAPPING to +9 broad axe "Kosum" {antimagic,
                  | rC+}.
 32756 | D:14     | 32756 ||| SWAPPING to +6 heavy broad axe.
 32757 | D:14     | 32757 ||| SWAPPING to +9 broad axe "Kosum" {antimagic,
                  | rC+}.
 32758 | D:14     | 32758 ||| SWAPPING to +6 heavy broad axe.
 32759 | D:14     | 32759 ||| SWAPPING to +9 broad axe "Kosum" {antimagic,
                  | rC+}.
 32760 | D:14     | 32760 ||| SWAPPING to +6 heavy broad axe.
 32761 | D:14     | 32761 ||| SWAPPING to +9 broad axe "Kosum" {antimagic,
                  | rC+}.
 32762 | D:14     | 32762 ||| SWAPPING to +6 heavy broad axe.
 32763 | D:14     | 32763 ||| SWAPPING to +9 broad axe "Kosum" {antimagic,
                  | rC+}.
 32764 | D:14     | 32764 ||| SWAPPING to +6 heavy broad axe.
 32765 | D:14     | 32765 ||| SWAPPING to +9 broad axe "Kosum" {antimagic,
                  | rC+}.
 32766 | D:14     | 32766 ||| SWAPPING to +6 heavy broad axe.
 32767 | D:14     | 32767 ||| SWAPPING to +9 broad axe "Kosum" {antimagic,
                  | rC+}.
 32768 | D:14     | 32768 ||| SWAPPING to +6 heavy broad axe.
 32769 | D:14     | 32769 ||| SWAPPING to +9 broad axe "Kosum" {antimagic,
                  | rC+}.
 32770 | D:14     | 32770 ||| SWAPPING to +6 heavy broad axe.
 32771 | D:14     | 32771 ||| SWAPPING to +9 broad axe "Kosum" {antimagic,
                  | rC+}.
 32772 | D:14     | 32772 ||| SWAPPING to +6 heavy broad axe.
 32773 | D:14     | 32773 ||| SWAPPING to +9 broad axe "Kosum" {antimagic,
                  | rC+}.
 32774 | D:14     | 32774 ||| SWAPPING to +6 heavy broad axe.
 32775 | D:14     | 32775 ||| SWAPPING to +9 broad axe "Kosum" {antimagic,
                  | rC+}.
 32776 | D:14     | 32776 ||| SWAPPING to +6 heavy broad axe.
 32777 | D:14     | 32777 ||| SWAPPING to +9 broad axe "Kosum" {antimagic,
                  | rC+}.
 32778 | D:14     | 32778 ||| SWAPPING to +6 heavy broad axe.
 32779 | D:14     | 32779 ||| SWAPPING to +9 broad axe "Kosum" {antimagic,
                  | rC+}.
 32780 | D:14     | 32780 ||| SWAPPING to +6 heavy broad axe.
 32781 | D:14     | 32781 ||| SWAPPING to +9 broad axe "Kosum" {antimagic,
                  | rC+}.
 32782 | D:14     | 32782 ||| SWAPPING to +6 heavy broad axe.
 32783 | D:14     | 32783 ||| SWAPPING to +9 broad axe "Kosum" {antimagic,
                  | rC+}.
 32784 | D:14     | 32784 ||| SWAPPING to +6 heavy broad axe.
 32785 | D:14     | 32785 ||| SWAPPING to +9 broad axe "Kosum" {antimagic,
                  | rC+}.
 32786 | D:14     | 32786 ||| SWAPPING to +6 heavy broad axe.
 32787 | D:14     | 32787 ||| SWAPPING to +9 broad axe "Kosum" {antimagic,
                  | rC+}.
 32788 | D:14     | 32788 ||| SWAPPING to +6 heavy broad axe.
 32789 | D:14     | 32789 ||| SWAPPING to +9 broad axe "Kosum" {antimagic,
                  | rC+}.
 32790 | D:14     | 32790 ||| SWAPPING to +6 heavy broad axe.
 32791 | D:14     | 32791 ||| SWAPPING to +9 broad axe "Kosum" {antimagic,
                  | rC+}.
 32792 | D:14     | 32792 ||| SWAPPING to +6 heavy broad axe.
 32793 | D:14     | 32793 ||| SWAPPING to +9 broad axe "Kosum" {antimagic,
                  | rC+}.
 32794 | D:14     | 32794 ||| SWAPPING to +6 heavy broad axe.
 32795 | D:14     | 32795 ||| SWAPPING to +9 broad axe "Kosum" {antimagic,
                  | rC+}.
 32796 | D:14     | 32796 ||| SWAPPING to +6 heavy broad axe.
 32797 | D:14     | 32797 ||| SWAPPING to +9 broad axe "Kosum" {antimagic,
                  | rC+}.
 32798 | D:14     | 32798 ||| SWAPPING to +6 heavy broad axe.
 32799 | D:14     | 32799 ||| SWAPPING to +9 broad axe "Kosum" {antimagic,
                  | rC+}.
 32800 | D:14     | 32800 ||| SWAPPING to +6 heavy broad axe.
 32801 | D:14     | 32801 ||| SWAPPING to +9 broad axe "Kosum" {antimagic,
                  | rC+}.
 32802 | D:14     | 32802 ||| SWAPPING to +6 heavy broad axe.
 32803 | D:14     | 32803 ||| SWAPPING to +9 broad axe "Kosum" {antimagic,
                  | rC+}.
 32804 | D:14     | 32804 ||| SWAPPING to +6 heavy broad axe.
 32805 | D:14     | 32805 ||| SWAPPING to +9 broad axe "Kosum" {antimagic,
                  | rC+}.
 32806 | D:14     | 32806 ||| SWAPPING to +6 heavy broad axe.
 32807 | D:14     | 32807 ||| SWAPPING to +9 broad axe "Kosum" {antimagic,
                  | rC+}.
 32808 | D:14     | 32808 ||| SWAPPING to +6 heavy broad axe.
 32809 | D:14     | 32809 ||| SWAPPING to +9 broad axe "Kosum" {antimagic,
                  | rC+}.
 32810 | D:14     | 32810 ||| SWAPPING to +6 heavy broad axe.
 32811 | D:14     | 32811 ||| SWAPPING to +9 broad axe "Kosum" {antimagic,
                  | rC+}.
 32812 | D:14     | 32812 ||| SWAPPING to +6 heavy broad axe.
 32813 | D:14     | 32813 ||| SWAPPING to +9 broad axe "Kosum" {antimagic,
                  | rC+}.
 32814 | D:14     | 32814 ||| SWAPPING to +6 heavy broad axe.
 32815 | D:14     | 32815 ||| SWAPPING to +9 broad axe "Kosum" {antimagic,
                  | rC+}.
 32816 | D:14     | 32816 ||| SWAPPING to +6 heavy broad axe.
 32817 | D:14     | 32817 ||| SWAPPING to +9 broad axe "Kosum" {antimagic,
                  | rC+}.
 32818 | D:14     | 32818 ||| SWAPPING to +6 heavy broad axe.
 32819 | D:14     | 32819 ||| SWAPPING to +9 broad axe "Kosum" {antimagic,
                  | rC+}.
 32820 | D:14     | 32820 ||| SWAPPING to +6 heavy broad axe.
 32821 | D:14     | 32821 ||| SWAPPING to +9 broad axe "Kosum" {antimagic,
                  | rC+}.
 32822 | D:14     | 32822 ||| SWAPPING to +6 heavy broad axe.
 32823 | D:14     | 32823 ||| SWAPPING to +9 broad axe "Kosum" {antimagic,
                  | rC+}.
 32824 | D:14     | 32824 ||| SWAPPING to +6 heavy broad axe.
 32825 | D:14     | 32825 ||| SWAPPING to +9 broad axe "Kosum" {antimagic,
                  | rC+}.
 32826 | D:14     | 32826 ||| SWAPPING to +6 heavy broad axe.
 32827 | D:14     | 32827 ||| SWAPPING to +9 broad axe "Kosum" {antimagic,
                  | rC+}.
 32828 | D:14     | 32828 ||| SWAPPING to +6 heavy broad axe.
 32829 | D:14     | 32829 ||| SWAPPING to +9 broad axe "Kosum" {antimagic,
                  | rC+}.
 32830 | D:14     | 32830 ||| SWAPPING to +6 heavy broad axe.
 32831 | D:14     | 32831 ||| SWAPPING to +9 broad axe "Kosum" {antimagic,
                  | rC+}.
 32832 | D:14     | 32832 ||| SWAPPING to +6 heavy broad axe.
 32833 | D:14     | 32833 ||| SWAPPING to +9 broad axe "Kosum" {antimagic,
                  | rC+}.
 32834 | D:14     | 32834 ||| SWAPPING to +6 heavy broad axe.
 32835 | D:14     | 32835 ||| SWAPPING to +9 broad axe "Kosum" {antimagic,
                  | rC+}.
 32836 | D:14     | 32836 ||| SWAPPING to +6 heavy broad axe.
 32837 | D:14     | 32837 ||| SWAPPING to +9 broad axe "Kosum" {antimagic,
                  | rC+}.
 32838 | D:14     | 32838 ||| SWAPPING to +6 heavy broad axe.
 32839 | D:14     | 32839 ||| SWAPPING to +9 broad axe "Kosum" {antimagic,
                  | rC+}.
 32840 | D:14     | 32840 ||| SWAPPING to +6 heavy broad axe.
 32841 | D:14     | 32841 ||| SWAPPING to +9 broad axe "Kosum" {antimagic,
                  | rC+}.
 32842 | D:14     | 32842 ||| SWAPPING to +6 heavy broad axe.
 32843 | D:14     | 32843 ||| SWAPPING to +9 broad axe "Kosum" {antimagic,
                  | rC+}.
 32844 | D:14     | 32844 ||| SWAPPING to +6 heavy broad axe.
 32845 | D:14     | 32845 ||| SWAPPING to +9 broad axe "Kosum" {antimagic,
                  | rC+}.
 32846 | D:14     | 32846 ||| SWAPPING to +6 heavy broad axe.
 32847 | D:14     | 32847 ||| SWAPPING to +9 broad axe "Kosum" {antimagic,
                  | rC+}.
 32848 | D:14     | 32848 ||| SWAPPING to +6 heavy broad axe.
 32849 | D:14     | 32849 ||| SWAPPING to +9 broad axe "Kosum" {antimagic,
                  | rC+}.
 32850 | D:14     | 32850 ||| SWAPPING to +6 heavy broad axe.
 32851 | D:14     | 32851 ||| SWAPPING to +9 broad axe "Kosum" {antimagic,
                  | rC+}.
 32852 | D:14     | 32852 ||| SWAPPING to +6 heavy broad axe.
 32853 | D:14     | 32853 ||| SWAPPING to +9 broad axe "Kosum" {antimagic,
                  | rC+}.
 32854 | D:14     | 32854 ||| SWAPPING to +6 heavy broad axe.
 32855 | D:14     | 32855 ||| SWAPPING to +9 broad axe "Kosum" {antimagic,
                  | rC+}.
 32856 | D:14     | 32856 ||| SWAPPING to +6 heavy broad axe.
 32857 | D:14     | 32857 ||| SWAPPING to +9 broad axe "Kosum" {antimagic,
                  | rC+}.
 32858 | D:14     | 32858 ||| SWAPPING to +6 heavy broad axe.
 32859 | D:14     | 32859 ||| SWAPPING to +9 broad axe "Kosum" {antimagic,
                  | rC+}.
 32860 | D:14     | 32860 ||| SWAPPING to +6 heavy broad axe.
 32861 | D:14     | 32861 ||| SWAPPING to +9 broad axe "Kosum" {antimagic,
                  | rC+}.
 32862 | D:14     | 32862 ||| SWAPPING to +6 heavy broad axe.
 32863 | D:14     | 32863 ||| SWAPPING to +9 broad axe "Kosum" {antimagic,
                  | rC+}.
 32864 | D:14     | 32864 ||| SWAPPING to +6 heavy broad axe.
 32865 | D:14     | 32865 ||| SWAPPING to +9 broad axe "Kosum" {antimagic,
                  | rC+}.
 32866 | D:14     | 32866 ||| SWAPPING to +6 heavy broad axe.
 32867 | D:14     | 32867 ||| SWAPPING to +9 broad axe "Kosum" {antimagic,
                  | rC+}.
 32868 | D:14     | 32868 ||| SWAPPING to +6 heavy broad axe.
 32869 | D:14     | 32869 ||| SWAPPING to +9 broad axe "Kosum" {antimagic,
                  | rC+}.
 32870 | D:14     | 32870 ||| SWAPPING to +6 heavy broad axe.
 32871 | D:14     | 32871 ||| SWAPPING to +9 broad axe "Kosum" {antimagic,
                  | rC+}.
 32872 | D:14     | 32872 ||| SWAPPING to +6 heavy broad axe.
 32873 | D:14     | 32873 ||| SWAPPING to +9 broad axe "Kosum" {antimagic,
                  | rC+}.
 32874 | D:14     | 32874 ||| SWAPPING to +6 heavy broad axe.
 32875 | D:14     | 32875 ||| SWAPPING to +9 broad axe "Kosum" {antimagic,
                  | rC+}.
 32876 | D:14     | 32876 ||| SWAPPING to +6 heavy broad axe.
 32877 | D:14     | 32877 ||| SWAPPING to +9 broad axe "Kosum" {antimagic,
                  | rC+}.
 32878 | D:14     | 32878 ||| SWAPPING to +6 heavy broad axe.
 32879 | D:14     | 32879 ||| SWAPPING to +9 broad axe "Kosum" {antimagic,
                  | rC+}.
 32880 | D:14     | 32880 ||| SWAPPING to +6 heavy broad axe.
 32881 | D:14     | 32881 ||| SWAPPING to +9 broad axe "Kosum" {antimagic,
                  | rC+}.
 32882 | D:14     | 32882 ||| SWAPPING to +6 heavy broad axe.
 32883 | D:14     | 32883 ||| SWAPPING to +9 broad axe "Kosum" {antimagic,
                  | rC+}.
 32884 | D:14     | 32884 ||| SWAPPING to +6 heavy broad axe.
 32885 | D:14     | 32885 ||| SWAPPING to +9 broad axe "Kosum" {antimagic,
                  | rC+}.
 32886 | D:14     | 32886 ||| SWAPPING to +6 heavy broad axe.
 32887 | D:14     | 32887 ||| SWAPPING to +9 broad axe "Kosum" {antimagic,
                  | rC+}.
 32888 | D:14     | 32888 ||| SWAPPING to +6 heavy broad axe.
 32889 | D:14     | 32889 ||| SWAPPING to +9 broad axe "Kosum" {antimagic,
                  | rC+}.
 32890 | D:14     | 32890 ||| SWAPPING to +6 heavy broad axe.
 32891 | D:14     | 32891 ||| SWAPPING to +9 broad axe "Kosum" {antimagic,
                  | rC+}.
 32892 | D:14     | 32892 ||| SWAPPING to +6 heavy broad axe.
 32893 | D:14     | 32893 ||| SWAPPING to +9 broad axe "Kosum" {antimagic,
                  | rC+}.
 32894 | D:14     | 32894 ||| SWAPPING to +6 heavy broad axe.
 32895 | D:14     | 32895 ||| SWAPPING to +9 broad axe "Kosum" {antimagic,
                  | rC+}.
 32896 | D:14     | 32896 ||| SWAPPING to +6 heavy broad axe.
 32897 | D:14     | 32897 ||| SWAPPING to +9 broad axe "Kosum" {antimagic,
                  | rC+}.
 32898 | D:14     | 32898 ||| SWAPPING to +6 heavy broad axe.
 32899 | D:14     | 32899 ||| SWAPPING to +9 broad axe "Kosum" {antimagic,
                  | rC+}.
 32900 | D:14     | 32900 ||| SWAPPING to +6 heavy broad axe.
 32901 | D:14     | 32901 ||| SWAPPING to +9 broad axe "Kosum" {antimagic,
                  | rC+}.
 32902 | D:14     | 32902 ||| SWAPPING to +6 heavy broad axe.
 32903 | D:14     | 32903 ||| SWAPPING to +9 broad axe "Kosum" {antimagic,
                  | rC+}.
 32904 | D:14     | 32904 ||| SWAPPING to +6 heavy broad axe.
 32905 | D:14     | 32905 ||| SWAPPING to +9 broad axe "Kosum" {antimagic,
                  | rC+}.
 32906 | D:14     | 32906 ||| SWAPPING to +6 heavy broad axe.
 32907 | D:14     | 32907 ||| SWAPPING to +9 broad axe "Kosum" {antimagic,
                  | rC+}.
 32908 | D:14     | 32908 ||| SWAPPING to +6 heavy broad axe.
 32909 | D:14     | 32909 ||| SWAPPING to +9 broad axe "Kosum" {antimagic,
                  | rC+}.
 32910 | D:14     | 32910 ||| SWAPPING to +6 heavy broad axe.
 32911 | D:14     | 32911 ||| SWAPPING to +9 broad axe "Kosum" {antimagic,
                  | rC+}.
 32912 | D:14     | 32912 ||| SWAPPING to +6 heavy broad axe.
 32913 | D:14     | 32913 ||| SWAPPING to +9 broad axe "Kosum" {antimagic,
                  | rC+}.
 32914 | D:14     | 32914 ||| SWAPPING to +6 heavy broad axe.
 32915 | D:14     | 32915 ||| SWAPPING to +9 broad axe "Kosum" {antimagic,
                  | rC+}.
 32916 | D:14     | 32916 ||| SWAPPING to +6 heavy broad axe.
 32917 | D:14     | 32917 ||| SWAPPING to +9 broad axe "Kosum" {antimagic,
                  | rC+}.
 32918 | D:14     | 32918 ||| SWAPPING to +6 heavy broad axe.
 32919 | D:14     | 32919 ||| SWAPPING to +9 broad axe "Kosum" {antimagic,
                  | rC+}.
 32920 | D:14     | 32920 ||| SWAPPING to +6 heavy broad axe.
 32921 | D:14     | 32921 ||| SWAPPING to +9 broad axe "Kosum" {antimagic,
                  | rC+}.
 32922 | D:14     | 32922 ||| SWAPPING to +6 heavy broad axe.
 32923 | D:14     | 32923 ||| SWAPPING to +9 broad axe "Kosum" {antimagic,
                  | rC+}.
 32924 | D:14     | 32924 ||| SWAPPING to +6 heavy broad axe.
 32925 | D:14     | 32925 ||| SWAPPING to +9 broad axe "Kosum" {antimagic,
                  | rC+}.
 32926 | D:14     | 32926 ||| SWAPPING to +6 heavy broad axe.
 32927 | D:14     | 32927 ||| SWAPPING to +9 broad axe "Kosum" {antimagic,
                  | rC+}.
 32928 | D:14     | 32928 ||| SWAPPING to +6 heavy broad axe.
 32929 | D:14     | 32929 ||| SWAPPING to +9 broad axe "Kosum" {antimagic,
                  | rC+}.
 32930 | D:14     | 32930 ||| SWAPPING to +6 heavy broad axe.
 32931 | D:14     | 32931 ||| SWAPPING to +9 broad axe "Kosum" {antimagic,
                  | rC+}.
 32932 | D:14     | 32932 ||| SWAPPING to +6 heavy broad axe.
 32933 | D:14     | 32933 ||| SWAPPING to +9 broad axe "Kosum" {antimagic,
                  | rC+}.
 32934 | D:14     | 32934 ||| SWAPPING to +6 heavy broad axe.
 32935 | D:14     | 32935 ||| SWAPPING to +9 broad axe "Kosum" {antimagic,
                  | rC+}.
 32936 | D:14     | 32936 ||| SWAPPING to +6 heavy broad axe.
 32937 | D:14     | 32937 ||| SWAPPING to +9 broad axe "Kosum" {antimagic,
                  | rC+}.
 32938 | D:14     | 32938 ||| SWAPPING to +6 heavy broad axe.
 32939 | D:14     | 32939 ||| SWAPPING to +9 broad axe "Kosum" {antimagic,
                  | rC+}.
 32940 | D:14     | 32940 ||| SWAPPING to +6 heavy broad axe.
 32941 | D:14     | 32941 ||| SWAPPING to +9 broad axe "Kosum" {antimagic,
                  | rC+}.
 32942 | D:14     | 32942 ||| SWAPPING to +6 heavy broad axe.
 32943 | D:14     | 32943 ||| SWAPPING to +9 broad axe "Kosum" {antimagic,
                  | rC+}.
 32944 | D:14     | 32944 ||| SWAPPING to +6 heavy broad axe.
 32945 | D:14     | 32945 ||| SWAPPING to +9 broad axe "Kosum" {antimagic,
                  | rC+}.
 32946 | D:14     | 32946 ||| SWAPPING to +6 heavy broad axe.
 32947 | D:14     | 32947 ||| SWAPPING to +9 broad axe "Kosum" {antimagic,
                  | rC+}.
 32948 | D:14     | 32948 ||| SWAPPING to +6 heavy broad axe.
 32949 | D:14     | 32949 ||| SWAPPING to +9 broad axe "Kosum" {antimagic,
                  | rC+}.
 32950 | D:14     | 32950 ||| SWAPPING to +6 heavy broad axe.
 32951 | D:14     | 32951 ||| SWAPPING to +9 broad axe "Kosum" {antimagic,
                  | rC+}.
 32952 | D:14     | 32952 ||| SWAPPING to +6 heavy broad axe.
 32953 | D:14     | 32953 ||| SWAPPING to +9 broad axe "Kosum" {antimagic,
                  | rC+}.
 32954 | D:14     | 32954 ||| SWAPPING to +6 heavy broad axe.
 32955 | D:14     | 32955 ||| SWAPPING to +9 broad axe "Kosum" {antimagic,
                  | rC+}.
 32956 | D:14     | 32956 ||| SWAPPING to +6 heavy broad axe.
 32957 | D:14     | 32957 ||| SWAPPING to +9 broad axe "Kosum" {antimagic,
                  | rC+}.
 32958 | D:14     | 32958 ||| SWAPPING to +6 heavy broad axe.
 32959 | D:14     | 32959 ||| SWAPPING to +9 broad axe "Kosum" {antimagic,
                  | rC+}.
 32960 | D:14     | 32960 ||| SWAPPING to +6 heavy broad axe.
 32961 | D:14     | 32961 ||| SWAPPING to +9 broad axe "Kosum" {antimagic,
                  | rC+}.
 32962 | D:14     | 32962 ||| SWAPPING to +6 heavy broad axe.
 32963 | D:14     | 32963 ||| SWAPPING to +9 broad axe "Kosum" {antimagic,
                  | rC+}.
 32964 | D:14     | 32964 ||| SWAPPING to +6 heavy broad axe.
 32965 | D:14     | 32965 ||| SWAPPING to +9 broad axe "Kosum" {antimagic,
                  | rC+}.
 32966 | D:14     | 32966 ||| SWAPPING to +6 heavy broad axe.
 32967 | D:14     | 32967 ||| SWAPPING to +9 broad axe "Kosum" {antimagic,
                  | rC+}.
 32968 | D:14     | 32968 ||| SWAPPING to +6 heavy broad axe.
 32969 | D:14     | 32969 ||| SWAPPING to +9 broad axe "Kosum" {antimagic,
                  | rC+}.
 32970 | D:14     | 32970 ||| SWAPPING to +6 heavy broad axe.
 32971 | D:14     | 32971 ||| SWAPPING to +9 broad axe "Kosum" {antimagic,
                  | rC+}.
 32972 | D:14     | 32972 ||| SWAPPING to +6 heavy broad axe.
 32973 | D:14     | 32973 ||| SWAPPING to +9 broad axe "Kosum" {antimagic,
                  | rC+}.
 32974 | D:14     | 32974 ||| SWAPPING to +6 heavy broad axe.
 32975 | D:14     | 32975 ||| SWAPPING to +9 broad axe "Kosum" {antimagic,
                  | rC+}.
 32976 | D:14     | 32976 ||| SWAPPING to +6 heavy broad axe.
 32977 | D:14     | 32977 ||| SWAPPING to +9 broad axe "Kosum" {antimagic,
                  | rC+}.
 32978 | D:14     | 32978 ||| SWAPPING to +6 heavy broad axe.
 32979 | D:14     | 32979 ||| SWAPPING to +9 broad axe "Kosum" {antimagic,
                  | rC+}.
 32980 | D:14     | 32980 ||| SWAPPING to +6 heavy broad axe.
 32981 | D:14     | 32981 ||| SWAPPING to +9 broad axe "Kosum" {antimagic,
                  | rC+}.
 32982 | D:14     | 32982 ||| SWAPPING to +6 heavy broad axe.
 32983 | D:14     | 32983 ||| SWAPPING to +9 broad axe "Kosum" {antimagic,
                  | rC+}.
 32984 | D:14     | 32984 ||| SWAPPING to +6 heavy broad axe.
 32985 | D:14     | 32985 ||| SWAPPING to +9 broad axe "Kosum" {antimagic,
                  | rC+}.
 32986 | D:14     | 32986 ||| SWAPPING to +6 heavy broad axe.
 32987 | D:14     | 32987 ||| SWAPPING to +9 broad axe "Kosum" {antimagic,
                  | rC+}.
 32988 | D:14     | 32988 ||| SWAPPING to +6 heavy broad axe.
 32989 | D:14     | 32989 ||| SWAPPING to +9 broad axe "Kosum" {antimagic,
                  | rC+}.
 32990 | D:14     | 32990 ||| SWAPPING to +6 heavy broad axe.
 32991 | D:14     | 32991 ||| SWAPPING to +9 broad axe "Kosum" {antimagic,
                  | rC+}.
 32992 | D:14     | 32992 ||| SWAPPING to +6 heavy broad axe.
 32993 | D:14     | 32993 ||| SWAPPING to +9 broad axe "Kosum" {antimagic,
                  | rC+}.
 32994 | D:14     | 32994 ||| SWAPPING to +6 heavy broad axe.
 32995 | D:14     | 32995 ||| SWAPPING to +9 broad axe "Kosum" {antimagic,
                  | rC+}.
 32996 | D:14     | 32996 ||| SWAPPING to +6 heavy broad axe.
 32997 | D:14     | 32997 ||| SWAPPING to +9 broad axe "Kosum" {antimagic,
                  | rC+}.
 32998 | D:14     | 32998 ||| SWAPPING to +6 heavy broad axe.
 32999 | D:14     | 32999 ||| SWAPPING to +9 broad axe "Kosum" {antimagic,
                  | rC+}.
 33000 | D:14     | 33000 ||| SWAPPING to +6 heavy broad axe.
 33001 | D:14     | 33001 ||| SWAPPING to +9 broad axe "Kosum" {antimagic,
                  | rC+}.
 33002 | D:14     | 33002 ||| SWAPPING to +6 heavy broad axe.
 33003 | D:14     | 33003 ||| SWAPPING to +9 broad axe "Kosum" {antimagic,
                  | rC+}.
 33004 | D:14     | 33004 ||| SWAPPING to +6 heavy broad axe.
 33005 | D:14     | 33005 ||| SWAPPING to +9 broad axe "Kosum" {antimagic,
                  | rC+}.
 33006 | D:14     | 33006 ||| SWAPPING to +6 heavy broad axe.
 33007 | D:14     | 33007 ||| SWAPPING to +9 broad axe "Kosum" {antimagic,
                  | rC+}.
 33008 | D:14     | 33008 ||| SWAPPING to +6 heavy broad axe.
 33009 | D:14     | 33009 ||| SWAPPING to +9 broad axe "Kosum" {antimagic,
                  | rC+}.
 33010 | D:14     | 33010 ||| SWAPPING to +6 heavy broad axe.
 33011 | D:14     | 33011 ||| SWAPPING to +9 broad axe "Kosum" {antimagic,
                  | rC+}.
 33012 | D:14     | 33012 ||| SWAPPING to +6 heavy broad axe.
 33013 | D:14     | 33013 ||| SWAPPING to +9 broad axe "Kosum" {antimagic,
                  | rC+}.
 33014 | D:14     | 33014 ||| SWAPPING to +6 heavy broad axe.
 33015 | D:14     | 33015 ||| SWAPPING to +9 broad axe "Kosum" {antimagic,
                  | rC+}.
 33016 | D:14     | 33016 ||| SWAPPING to +6 heavy broad axe.
 33017 | D:14     | 33017 ||| SWAPPING to +9 broad axe "Kosum" {antimagic,
                  | rC+}.
 33018 | D:14     | 33018 ||| SWAPPING to +6 heavy broad axe.
 33019 | D:14     | 33019 ||| SWAPPING to +9 broad axe "Kosum" {antimagic,
                  | rC+}.
 33020 | D:14     | 33020 ||| SWAPPING to +6 heavy broad axe.
 33021 | D:14     | 33021 ||| SWAPPING to +9 broad axe "Kosum" {antimagic,
                  | rC+}.
 33022 | D:14     | 33022 ||| SWAPPING to +6 heavy broad axe.
 33023 | D:14     | 33023 ||| SWAPPING to +9 broad axe "Kosum" {antimagic,
                  | rC+}.
 33024 | D:14     | 33024 ||| SWAPPING to +6 heavy broad axe.
 33025 | D:14     | 33025 ||| SWAPPING to +9 broad axe "Kosum" {antimagic,
                  | rC+}.
 33026 | D:14     | 33026 ||| SWAPPING to +6 heavy broad axe.
 33027 | D:14     | 33027 ||| SWAPPING to +9 broad axe "Kosum" {antimagic,
                  | rC+}.
 33028 | D:14     | 33028 ||| SWAPPING to +6 heavy broad axe.
 33029 | D:14     | 33029 ||| SWAPPING to +9 broad axe "Kosum" {antimagic,
                  | rC+}.
 33030 | D:14     | 33030 ||| SWAPPING to +6 heavy broad axe.
 33031 | D:14     | 33031 ||| SWAPPING to +9 broad axe "Kosum" {antimagic,
                  | rC+}.
 33032 | D:14     | 33032 ||| SWAPPING to +6 heavy broad axe.
 33033 | D:14     | 33033 ||| SWAPPING to +9 broad axe "Kosum" {antimagic,
                  | rC+}.
 33034 | D:14     | 33034 ||| SWAPPING to +6 heavy broad axe.
 33035 | D:14     | 33035 ||| SWAPPING to +9 broad axe "Kosum" {antimagic,
                  | rC+}.
 33036 | D:14     | 33036 ||| SWAPPING to +6 heavy broad axe.
 33037 | D:14     | 33037 ||| SWAPPING to +9 broad axe "Kosum" {antimagic,
                  | rC+}.
 33038 | D:14     | 33038 ||| SWAPPING to +6 heavy broad axe.
 33039 | D:14     | 33039 ||| SWAPPING to +9 broad axe "Kosum" {antimagic,
                  | rC+}.
 33040 | D:14     | 33040 ||| SWAPPING to +6 heavy broad axe.
 33041 | D:14     | 33041 ||| SWAPPING to +9 broad axe "Kosum" {antimagic,
                  | rC+}.
 33042 | D:14     | 33042 ||| SWAPPING to +6 heavy broad axe.
 33043 | D:14     | 33043 ||| SWAPPING to +9 broad axe "Kosum" {antimagic,
                  | rC+}.
 33044 | D:14     | 33044 ||| SWAPPING to +6 heavy broad axe.
 33045 | D:14     | 33045 ||| SWAPPING to +9 broad axe "Kosum" {antimagic,
                  | rC+}.
 33046 | D:14     | 33046 ||| SWAPPING to +6 heavy broad axe.
 33047 | D:14     | 33047 ||| SWAPPING to +9 broad axe "Kosum" {antimagic,
                  | rC+}.
 33048 | D:14     | 33048 ||| SWAPPING to +6 heavy broad axe.
 33049 | D:14     | 33049 ||| SWAPPING to +9 broad axe "Kosum" {antimagic,
                  | rC+}.
 33050 | D:14     | 33050 ||| SWAPPING to +6 heavy broad axe.
 33051 | D:14     | 33051 ||| SWAPPING to +9 broad axe "Kosum" {antimagic,
                  | rC+}.
 33052 | D:14     | 33052 ||| SWAPPING to +6 heavy broad axe.
 33053 | D:14     | 33053 ||| SWAPPING to +9 broad axe "Kosum" {antimagic,
                  | rC+}.
 33054 | D:14     | 33054 ||| SWAPPING to +6 heavy broad axe.
 33055 | D:14     | 33055 ||| SWAPPING to +9 broad axe "Kosum" {antimagic,
                  | rC+}.
 33056 | D:14     | 33056 ||| SWAPPING to +6 heavy broad axe.
 33057 | D:14     | 33057 ||| SWAPPING to +9 broad axe "Kosum" {antimagic,
                  | rC+}.
 33058 | D:14     | 33058 ||| SWAPPING to +6 heavy broad axe.
 33059 | D:14     | 33059 ||| SWAPPING to +9 broad axe "Kosum" {antimagic,
                  | rC+}.
 33060 | D:14     | 33060 ||| SWAPPING to +6 heavy broad axe.
 33061 | D:14     | 33061 ||| SWAPPING to +9 broad axe "Kosum" {antimagic,
                  | rC+}.
 33062 | D:14     | 33062 ||| SWAPPING to +6 heavy broad axe.
 33063 | D:14     | 33063 ||| SWAPPING to +9 broad axe "Kosum" {antimagic,
                  | rC+}.
 33064 | D:14     | 33064 ||| SWAPPING to +6 heavy broad axe.
 33065 | D:14     | 33065 ||| SWAPPING to +9 broad axe "Kosum" {antimagic,
                  | rC+}.
 33066 | D:14     | 33066 ||| SWAPPING to +6 heavy broad axe.
 33067 | D:14     | 33067 ||| SWAPPING to +9 broad axe "Kosum" {antimagic,
                  | rC+}.
 33068 | D:14     | 33068 ||| SWAPPING to +6 heavy broad axe.
 33069 | D:14     | 33069 ||| SWAPPING to +9 broad axe "Kosum" {antimagic,
                  | rC+}.
 33070 | D:14     | 33070 ||| SWAPPING to +6 heavy broad axe.
 33071 | D:14     | 33071 ||| SWAPPING to +9 broad axe "Kosum" {antimagic,
                  | rC+}.
 33072 | D:14     | 33072 ||| SWAPPING to +6 heavy broad axe.
 33073 | D:14     | 33073 ||| SWAPPING to +9 broad axe "Kosum" {antimagic,
                  | rC+}.
 33074 | D:14     | 33074 ||| SWAPPING to +6 heavy broad axe.
 33075 | D:14     | 33075 ||| SWAPPING to +9 broad axe "Kosum" {antimagic,
                  | rC+}.
 33076 | D:14     | 33076 ||| SWAPPING to +6 heavy broad axe.
 33077 | D:14     | 33077 ||| SWAPPING to +9 broad axe "Kosum" {antimagic,
                  | rC+}.
 33078 | D:14     | 33078 ||| SWAPPING to +6 heavy broad axe.
 33079 | D:14     | 33079 ||| SWAPPING to +9 broad axe "Kosum" {antimagic,
                  | rC+}.
 33080 | D:14     | 33080 ||| SWAPPING to +6 heavy broad axe.
 33081 | D:14     | 33081 ||| SWAPPING to +9 broad axe "Kosum" {antimagic,
                  | rC+}.
 33082 | D:14     | 33082 ||| SWAPPING to +6 heavy broad axe.
 33083 | D:14     | 33083 ||| SWAPPING to +9 broad axe "Kosum" {antimagic,
                  | rC+}.
 33084 | D:14     | 33084 ||| SWAPPING to +6 heavy broad axe.
 33085 | D:14     | 33085 ||| SWAPPING to +9 broad axe "Kosum" {antimagic,
                  | rC+}.
 33086 | D:14     | 33086 ||| SWAPPING to +6 heavy broad axe.
 33087 | D:14     | 33087 ||| SWAPPING to +9 broad axe "Kosum" {antimagic,
                  | rC+}.
 33088 | D:14     | 33088 ||| SWAPPING to +6 heavy broad axe.
 33089 | D:14     | 33089 ||| SWAPPING to +9 broad axe "Kosum" {antimagic,
                  | rC+}.
 33090 | D:14     | 33090 ||| SWAPPING to +6 heavy broad axe.
 33091 | D:14     | 33091 ||| SWAPPING to +9 broad axe "Kosum" {antimagic,
                  | rC+}.
 33092 | D:14     | 33092 ||| SWAPPING to +6 heavy broad axe.
 33093 | D:14     | 33093 ||| SWAPPING to +9 broad axe "Kosum" {antimagic,
                  | rC+}.
 33094 | D:14     | 33094 ||| SWAPPING to +6 heavy broad axe.
 33095 | D:14     | 33095 ||| SWAPPING to +9 broad axe "Kosum" {antimagic,
                  | rC+}.
 33096 | D:14     | 33096 ||| SWAPPING to +6 heavy broad axe.
 33097 | D:14     | 33097 ||| SWAPPING to +9 broad axe "Kosum" {antimagic,
                  | rC+}.
 33098 | D:14     | 33098 ||| SWAPPING to +6 heavy broad axe.
 33099 | D:14     | 33099 ||| SWAPPING to +9 broad axe "Kosum" {antimagic,
                  | rC+}.
 33100 | D:14     | 33100 ||| SWAPPING to +6 heavy broad axe.
 33101 | D:14     | 33101 ||| SWAPPING to +9 broad axe "Kosum" {antimagic,
                  | rC+}.
 33102 | D:14     | 33102 ||| SWAPPING to +6 heavy broad axe.
 33103 | D:14     | 33103 ||| SWAPPING to +9 broad axe "Kosum" {antimagic,
                  | rC+}.
 33104 | D:14     | 33104 ||| SWAPPING to +6 heavy broad axe.
 33105 | D:14     | 33105 ||| SWAPPING to +9 broad axe "Kosum" {antimagic,
                  | rC+}.
 33106 | D:14     | 33106 ||| SWAPPING to +6 heavy broad axe.
 33107 | D:14     | 33107 ||| SWAPPING to +9 broad axe "Kosum" {antimagic,
                  | rC+}.
 33108 | D:14     | 33108 ||| SWAPPING to +6 heavy broad axe.
 33109 | D:14     | 33109 ||| SWAPPING to +9 broad axe "Kosum" {antimagic,
                  | rC+}.
 33110 | D:14     | 33110 ||| SWAPPING to +6 heavy broad axe.
 33111 | D:14     | 33111 ||| SWAPPING to +9 broad axe "Kosum" {antimagic,
                  | rC+}.
 33112 | D:14     | 33112 ||| SWAPPING to +6 heavy broad axe.
 33113 | D:14     | 33113 ||| SWAPPING to +9 broad axe "Kosum" {antimagic,
                  | rC+}.
 33114 | D:14     | 33114 ||| SWAPPING to +6 heavy broad axe.
 33115 | D:14     | 33115 ||| SWAPPING to +9 broad axe "Kosum" {antimagic,
                  | rC+}.
 33116 | D:14     | 33116 ||| SWAPPING to +6 heavy broad axe.
 33117 | D:14     | 33117 ||| SWAPPING to +9 broad axe "Kosum" {antimagic,
                  | rC+}.
 33118 | D:14     | 33118 ||| SWAPPING to +6 heavy broad axe.
 33119 | D:14     | 33119 ||| SWAPPING to +9 broad axe "Kosum" {antimagic,
                  | rC+}.
 33120 | D:14     | 33120 ||| SWAPPING to +6 heavy broad axe.
 33121 | D:14     | 33121 ||| SWAPPING to +9 broad axe "Kosum" {antimagic,
                  | rC+}.
 33122 | D:14     | 33122 ||| SWAPPING to +6 heavy broad axe.
 33123 | D:14     | 33123 ||| SWAPPING to +9 broad axe "Kosum" {antimagic,
                  | rC+}.
 33124 | D:14     | 33124 ||| SWAPPING to +6 heavy broad axe.
 33125 | D:14     | 33125 ||| SWAPPING to +9 broad axe "Kosum" {antimagic,
                  | rC+}.
 33126 | D:14     | 33126 ||| SWAPPING to +6 heavy broad axe.
 33127 | D:14     | 33127 ||| SWAPPING to +9 broad axe "Kosum" {antimagic,
                  | rC+}.
 33128 | D:14     | 33128 ||| SWAPPING to +6 heavy broad axe.
 33129 | D:14     | 33129 ||| SWAPPING to +9 broad axe "Kosum" {antimagic,
                  | rC+}.
 33130 | D:14     | 33130 ||| SWAPPING to +6 heavy broad axe.
 33131 | D:14     | 33131 ||| SWAPPING to +9 broad axe "Kosum" {antimagic,
                  | rC+}.
 33132 | D:14     | 33132 ||| SWAPPING to +6 heavy broad axe.
 33133 | D:14     | 33133 ||| SWAPPING to +9 broad axe "Kosum" {antimagic,
                  | rC+}.
 33134 | D:14     | 33134 ||| SWAPPING to +6 heavy broad axe.
 33135 | D:14     | 33135 ||| SWAPPING to +9 broad axe "Kosum" {antimagic,
                  | rC+}.
 33136 | D:14     | 33136 ||| SWAPPING to +6 heavy broad axe.
 33137 | D:14     | 33137 ||| SWAPPING to +9 broad axe "Kosum" {antimagic,
                  | rC+}.
 33138 | D:14     | 33138 ||| SWAPPING to +6 heavy broad axe.
 33139 | D:14     | 33139 ||| SWAPPING to +9 broad axe "Kosum" {antimagic,
                  | rC+}.
 33140 | D:14     | 33140 ||| SWAPPING to +6 heavy broad axe.
 33141 | D:14     | 33141 ||| SWAPPING to +9 broad axe "Kosum" {antimagic,
                  | rC+}.
 33142 | D:14     | 33142 ||| SWAPPING to +6 heavy broad axe.
 33143 | D:14     | 33143 ||| SWAPPING to +9 broad axe "Kosum" {antimagic,
                  | rC+}.
 33144 | D:14     | 33144 ||| SWAPPING to +6 heavy broad axe.
 33145 | D:14     | 33145 ||| SWAPPING to +9 broad axe "Kosum" {antimagic,
                  | rC+}.
 33146 | D:14     | 33146 ||| SWAPPING to +6 heavy broad axe.
 33147 | D:14     | 33147 ||| SWAPPING to +9 broad axe "Kosum" {antimagic,
                  | rC+}.
 33148 | D:14     | 33148 ||| SWAPPING to +6 heavy broad axe.
 33149 | D:14     | 33149 ||| SWAPPING to +9 broad axe "Kosum" {antimagic,
                  | rC+}.
 33150 | D:14     | 33150 ||| SWAPPING to +6 heavy broad axe.
 33151 | D:14     | 33151 ||| SWAPPING to +9 broad axe "Kosum" {antimagic,
                  | rC+}.
 33152 | D:14     | 33152 ||| SWAPPING to +6 heavy broad axe.
 33153 | D:14     | 33153 ||| SWAPPING to +9 broad axe "Kosum" {antimagic,
                  | rC+}.
 33154 | D:14     | 33154 ||| SWAPPING to +6 heavy broad axe.
 33155 | D:14     | 33155 ||| SWAPPING to +9 broad axe "Kosum" {antimagic,
                  | rC+}.
 33156 | D:14     | 33156 ||| SWAPPING to +6 heavy broad axe.
 33157 | D:14     | 33157 ||| SWAPPING to +9 broad axe "Kosum" {antimagic,
                  | rC+}.
 33158 | D:14     | 33158 ||| SWAPPING to +6 heavy broad axe.
 33159 | D:14     | 33159 ||| SWAPPING to +9 broad axe "Kosum" {antimagic,
                  | rC+}.
 33160 | D:14     | 33160 ||| SWAPPING to +6 heavy broad axe.
 33161 | D:14     | 33161 ||| SWAPPING to +9 broad axe "Kosum" {antimagic,
                  | rC+}.
 33162 | D:14     | 33162 ||| SWAPPING to +6 heavy broad axe.
 33163 | D:14     | 33163 ||| SWAPPING to +9 broad axe "Kosum" {antimagic,
                  | rC+}.
 33164 | D:14     | 33164 ||| SWAPPING to +6 heavy broad axe.
 33165 | D:14     | 33165 ||| SWAPPING to +9 broad axe "Kosum" {antimagic,
                  | rC+}.
 33166 | D:14     | 33166 ||| SWAPPING to +6 heavy broad axe.
 33167 | D:14     | 33167 ||| SWAPPING to +9 broad axe "Kosum" {antimagic,
                  | rC+}.
 33168 | D:14     | 33168 ||| SWAPPING to +6 heavy broad axe.
 33169 | D:14     | 33169 ||| SWAPPING to +9 broad axe "Kosum" {antimagic,
                  | rC+}.
 33170 | D:14     | 33170 ||| SWAPPING to +6 heavy broad axe.
 33171 | D:14     | 33171 ||| SWAPPING to +9 broad axe "Kosum" {antimagic,
                  | rC+}.
 33172 | D:14     | 33172 ||| SWAPPING to +6 heavy broad axe.
 33173 | D:14     | 33173 ||| SWAPPING to +9 broad axe "Kosum" {antimagic,
                  | rC+}.
 33174 | D:14     | 33174 ||| SWAPPING to +6 heavy broad axe.
 33175 | D:14     | 33175 ||| SWAPPING to +9 broad axe "Kosum" {antimagic,
                  | rC+}.
 33176 | D:14     | 33176 ||| SWAPPING to +6 heavy broad axe.
 33177 | D:14     | 33177 ||| SWAPPING to +9 broad axe "Kosum" {antimagic,
                  | rC+}.
 33178 | D:14     | 33178 ||| SWAPPING to +6 heavy broad axe.
 33179 | D:14     | 33179 ||| SWAPPING to +9 broad axe "Kosum" {antimagic,
                  | rC+}.
 33180 | D:14     | 33180 ||| SWAPPING to +6 heavy broad axe.
 33181 | D:14     | 33181 ||| SWAPPING to +9 broad axe "Kosum" {antimagic,
                  | rC+}.
 33182 | D:14     | 33182 ||| SWAPPING to +6 heavy broad axe.
 33183 | D:14     | 33183 ||| SWAPPING to +9 broad axe "Kosum" {antimagic,
                  | rC+}.
 33184 | D:14     | 33184 ||| SWAPPING to +6 heavy broad axe.
 33185 | D:14     | 33185 ||| SWAPPING to +9 broad axe "Kosum" {antimagic,
                  | rC+}.
 33186 | D:14     | 33186 ||| SWAPPING to +6 heavy broad axe.
 33187 | D:14     | 33187 ||| SWAPPING to +9 broad axe "Kosum" {antimagic,
                  | rC+}.
 33188 | D:14     | 33188 ||| SWAPPING to +6 heavy broad axe.
 33189 | D:14     | 33189 ||| SWAPPING to +9 broad axe "Kosum" {antimagic,
                  | rC+}.
 33190 | D:14     | 33190 ||| SWAPPING to +6 heavy broad axe.
 33191 | D:14     | 33191 ||| SWAPPING to +9 broad axe "Kosum" {antimagic,
                  | rC+}.
 33192 | D:14     | 33192 ||| SWAPPING to +6 heavy broad axe.
 33193 | D:14     | 33193 ||| SWAPPING to +9 broad axe "Kosum" {antimagic,
                  | rC+}.
 33194 | D:14     | 33194 ||| SWAPPING to +6 heavy broad axe.
 33195 | D:14     | 33195 ||| SWAPPING to +9 broad axe "Kosum" {antimagic,
                  | rC+}.
 33196 | D:14     | 33196 ||| SWAPPING to +6 heavy broad axe.
 33197 | D:14     | 33197 ||| SWAPPING to +9 broad axe "Kosum" {antimagic,
                  | rC+}.
 33198 | D:14     | 33198 ||| SWAPPING to +6 heavy broad axe.
 33199 | D:14     | 33199 ||| SWAPPING to +9 broad axe "Kosum" {antimagic,
                  | rC+}.
 33200 | D:14     | 33200 ||| SWAPPING to +6 heavy broad axe.
 33201 | D:14     | 33201 ||| SWAPPING to +9 broad axe "Kosum" {antimagic,
                  | rC+}.
 33202 | D:14     | 33202 ||| SWAPPING to +6 heavy broad axe.
 33203 | D:14     | 33203 ||| SWAPPING to +9 broad axe "Kosum" {antimagic,
                  | rC+}.
 33204 | D:14     | 33204 ||| SWAPPING to +6 heavy broad axe.
 33205 | D:14     | 33205 ||| SWAPPING to +9 broad axe "Kosum" {antimagic,
                  | rC+}.
 33206 | D:14     | 33206 ||| SWAPPING to +6 heavy broad axe.
 33207 | D:14     | 33207 ||| SWAPPING to +9 broad axe "Kosum" {antimagic,
                  | rC+}.
 33208 | D:14     | 33208 ||| SWAPPING to +6 heavy broad axe.
 33209 | D:14     | 33209 ||| SWAPPING to +9 broad axe "Kosum" {antimagic,
                  | rC+}.
 33210 | D:14     | 33210 ||| SWAPPING to +6 heavy broad axe.
 33211 | D:14     | 33211 ||| SWAPPING to +9 broad axe "Kosum" {antimagic,
                  | rC+}.
 33212 | D:14     | 33212 ||| SWAPPING to +6 heavy broad axe.
 33213 | D:14     | 33213 ||| SWAPPING to +9 broad axe "Kosum" {antimagic,
                  | rC+}.
 33214 | D:14     | 33214 ||| SWAPPING to +6 heavy broad axe.
 33215 | D:14     | 33215 ||| SWAPPING to +9 broad axe "Kosum" {antimagic,
                  | rC+}.
 33216 | D:14     | 33216 ||| SWAPPING to +6 heavy broad axe.
 33217 | D:14     | 33217 ||| SWAPPING to +9 broad axe "Kosum" {antimagic,
                  | rC+}.
 33218 | D:14     | 33218 ||| SWAPPING to +6 heavy broad axe.
 33219 | D:14     | 33219 ||| SWAPPING to +9 broad axe "Kosum" {antimagic,
                  | rC+}.
 33220 | D:14     | 33220 ||| SWAPPING to +6 heavy broad axe.
 33221 | D:14     | 33221 ||| SWAPPING to +9 broad axe "Kosum" {antimagic,
                  | rC+}.
 33222 | D:14     | 33222 ||| SWAPPING to +6 heavy broad axe.
 33223 | D:14     | 33223 ||| SWAPPING to +9 broad axe "Kosum" {antimagic,
                  | rC+}.
 33224 | D:14     | 33224 ||| SWAPPING to +6 heavy broad axe.
 33225 | D:14     | 33225 ||| SWAPPING to +9 broad axe "Kosum" {antimagic,
                  | rC+}.
 33226 | D:14     | 33226 ||| SWAPPING to +6 heavy broad axe.
 33227 | D:14     | 33227 ||| SWAPPING to +9 broad axe "Kosum" {antimagic,
                  | rC+}.
 33228 | D:14     | 33228 ||| SWAPPING to +6 heavy broad axe.
 33229 | D:14     | 33229 ||| SWAPPING to +9 broad axe "Kosum" {antimagic,
                  | rC+}.
 33230 | D:14     | 33230 ||| SWAPPING to +6 heavy broad axe.
 33231 | D:14     | 33231 ||| SWAPPING to +9 broad axe "Kosum" {antimagic,
                  | rC+}.
 33232 | D:14     | 33232 ||| SWAPPING to +6 heavy broad axe.
 33233 | D:14     | 33233 ||| SWAPPING to +9 broad axe "Kosum" {antimagic,
                  | rC+}.
 33234 | D:14     | 33234 ||| SWAPPING to +6 heavy broad axe.
 33235 | D:14     | 33235 ||| SWAPPING to +9 broad axe "Kosum" {antimagic,
                  | rC+}.
 33236 | D:14     | 33236 ||| SWAPPING to +6 heavy broad axe.
 33237 | D:14     | 33237 ||| SWAPPING to +9 broad axe "Kosum" {antimagic,
                  | rC+}.
 33238 | D:14     | 33238 ||| SWAPPING to +6 heavy broad axe.
 33239 | D:14     | 33239 ||| SWAPPING to +9 broad axe "Kosum" {antimagic,
                  | rC+}.
 33240 | D:14     | 33240 ||| SWAPPING to +6 heavy broad axe.
 33241 | D:14     | 33241 ||| SWAPPING to +9 broad axe "Kosum" {antimagic,
                  | rC+}.
 33242 | D:14     | 33242 ||| SWAPPING to +6 heavy broad axe.
 33243 | D:14     | 33243 ||| SWAPPING to +9 broad axe "Kosum" {antimagic,
                  | rC+}.
 33244 | D:14     | 33244 ||| SWAPPING to +6 heavy broad axe.
 33245 | D:14     | 33245 ||| SWAPPING to +9 broad axe "Kosum" {antimagic,
                  | rC+}.
 33246 | D:14     | 33246 ||| SWAPPING to +6 heavy broad axe.
 33247 | D:14     | 33247 ||| SWAPPING to +9 broad axe "Kosum" {antimagic,
                  | rC+}.
 33248 | D:14     | 33248 ||| SWAPPING to +6 heavy broad axe.
 33249 | D:14     | 33249 ||| SWAPPING to +9 broad axe "Kosum" {antimagic,
                  | rC+}.
 33250 | D:14     | 33250 ||| SWAPPING to +6 heavy broad axe.
 33251 | D:14     | 33251 ||| SWAPPING to +9 broad axe "Kosum" {antimagic,
                  | rC+}.
 33252 | D:14     | 33252 ||| SWAPPING to +6 heavy broad axe.
 33253 | D:14     | 33253 ||| SWAPPING to +9 broad axe "Kosum" {antimagic,
                  | rC+}.
 33254 | D:14     | 33254 ||| SWAPPING to +6 heavy broad axe.
 33255 | D:14     | 33255 ||| SWAPPING to +9 broad axe "Kosum" {antimagic,
                  | rC+}.
 33256 | D:14     | 33256 ||| SWAPPING to +6 heavy broad axe.
 33257 | D:14     | 33257 ||| SWAPPING to +9 broad axe "Kosum" {antimagic,
                  | rC+}.
 33258 | D:14     | 33258 ||| SWAPPING to +6 heavy broad axe.
 33259 | D:14     | 33259 ||| SWAPPING to +9 broad axe "Kosum" {antimagic,
                  | rC+}.
 33260 | D:14     | 33260 ||| SWAPPING to +6 heavy broad axe.
 33261 | D:14     | 33261 ||| SWAPPING to +9 broad axe "Kosum" {antimagic,
                  | rC+}.
 33262 | D:14     | 33262 ||| SWAPPING to +6 heavy broad axe.
 33263 | D:14     | 33263 ||| SWAPPING to +9 broad axe "Kosum" {antimagic,
                  | rC+}.
 33264 | D:14     | 33264 ||| SWAPPING to +6 heavy broad axe.
 33265 | D:14     | 33265 ||| SWAPPING to +9 broad axe "Kosum" {antimagic,
                  | rC+}.
 33266 | D:14     | 33266 ||| SWAPPING to +6 heavy broad axe.
 33267 | D:14     | 33267 ||| SWAPPING to +9 broad axe "Kosum" {antimagic,
                  | rC+}.
 33268 | D:14     | 33268 ||| SWAPPING to +6 heavy broad axe.
 33269 | D:14     | 33269 ||| SWAPPING to +9 broad axe "Kosum" {antimagic,
                  | rC+}.
 33270 | D:14     | 33270 ||| SWAPPING to +6 heavy broad axe.
 33271 | D:14     | 33271 ||| SWAPPING to +9 broad axe "Kosum" {antimagic,
                  | rC+}.
 33272 | D:14     | 33272 ||| SWAPPING to +6 heavy broad axe.
 33273 | D:14     | 33273 ||| SWAPPING to +9 broad axe "Kosum" {antimagic,
                  | rC+}.
 33274 | D:14     | 33274 ||| SWAPPING to +6 heavy broad axe.
 33275 | D:14     | 33275 ||| SWAPPING to +9 broad axe "Kosum" {antimagic,
                  | rC+}.
 33276 | D:14     | 33276 ||| SWAPPING to +6 heavy broad axe.
 33277 | D:14     | 33277 ||| SWAPPING to +9 broad axe "Kosum" {antimagic,
                  | rC+}.
 33278 | D:14     | 33278 ||| SWAPPING to +6 heavy broad axe.
 33279 | D:14     | 33279 ||| SWAPPING to +9 broad axe "Kosum" {antimagic,
                  | rC+}.
 33280 | D:14     | 33280 ||| SWAPPING to +6 heavy broad axe.
 33281 | D:14     | 33281 ||| SWAPPING to +9 broad axe "Kosum" {antimagic,
                  | rC+}.
 33282 | D:14     | 33282 ||| SWAPPING to +6 heavy broad axe.
 33283 | D:14     | 33283 ||| SWAPPING to +9 broad axe "Kosum" {antimagic,
                  | rC+}.
 33284 | D:14     | 33284 ||| SWAPPING to +6 heavy broad axe.
 33285 | D:14     | 33285 ||| SWAPPING to +9 broad axe "Kosum" {antimagic,
                  | rC+}.
 33286 | D:14     | 33286 ||| SWAPPING to +6 heavy broad axe.
 33287 | D:14     | 33287 ||| SWAPPING to +9 broad axe "Kosum" {antimagic,
                  | rC+}.
 33288 | D:14     | 33288 ||| SWAPPING to +6 heavy broad axe.
 33289 | D:14     | 33289 ||| SWAPPING to +9 broad axe "Kosum" {antimagic,
                  | rC+}.
 33290 | D:14     | 33290 ||| SWAPPING to +6 heavy broad axe.
 33291 | D:14     | 33291 ||| SWAPPING to +9 broad axe "Kosum" {antimagic,
                  | rC+}.
 33292 | D:14     | 33292 ||| SWAPPING to +6 heavy broad axe.
 33293 | D:14     | 33293 ||| SWAPPING to +9 broad axe "Kosum" {antimagic,
                  | rC+}.
 33294 | D:14     | 33294 ||| SWAPPING to +6 heavy broad axe.
 33295 | D:14     | 33295 ||| SWAPPING to +9 broad axe "Kosum" {antimagic,
                  | rC+}.
 33296 | D:14     | 33296 ||| SWAPPING to +6 heavy broad axe.
 33297 | D:14     | 33297 ||| SWAPPING to +9 broad axe "Kosum" {antimagic,
                  | rC+}.
 33298 | D:14     | 33298 ||| SWAPPING to +6 heavy broad axe.
 33299 | D:14     | 33299 ||| SWAPPING to +9 broad axe "Kosum" {antimagic,
                  | rC+}.
 33300 | D:14     | 33300 ||| SWAPPING to +6 heavy broad axe.
 33301 | D:14     | 33301 ||| SWAPPING to +9 broad axe "Kosum" {antimagic,
                  | rC+}.
 33302 | D:14     | 33302 ||| SWAPPING to +6 heavy broad axe.
 33303 | D:14     | 33303 ||| SWAPPING to +9 broad axe "Kosum" {antimagic,
                  | rC+}.
 33304 | D:14     | 33304 ||| SWAPPING to +6 heavy broad axe.
 33305 | D:14     | 33305 ||| SWAPPING to +9 broad axe "Kosum" {antimagic,
                  | rC+}.
 33306 | D:14     | 33306 ||| SWAPPING to +6 heavy broad axe.
 33307 | D:14     | 33307 ||| SWAPPING to +9 broad axe "Kosum" {antimagic,
                  | rC+}.
 33308 | D:14     | 33308 ||| SWAPPING to +6 heavy broad axe.
 33309 | D:14     | 33309 ||| SWAPPING to +9 broad axe "Kosum" {antimagic,
                  | rC+}.
 33310 | D:14     | 33310 ||| SWAPPING to +6 heavy broad axe.
 33311 | D:14     | 33311 ||| SWAPPING to +9 broad axe "Kosum" {antimagic,
                  | rC+}.
 33312 | D:14     | 33312 ||| SWAPPING to +6 heavy broad axe.
 33313 | D:14     | 33313 ||| SWAPPING to +9 broad axe "Kosum" {antimagic,
                  | rC+}.
 33314 | D:14     | 33314 ||| SWAPPING to +6 heavy broad axe.
 33315 | D:14     | 33315 ||| SWAPPING to +9 broad axe "Kosum" {antimagic,
                  | rC+}.
 33316 | D:14     | 33316 ||| SWAPPING to +6 heavy broad axe.
 33317 | D:14     | 33317 ||| SWAPPING to +9 broad axe "Kosum" {antimagic,
                  | rC+}.
 33318 | D:14     | 33318 ||| SWAPPING to +6 heavy broad axe.
 33319 | D:14     | 33319 ||| SWAPPING to +9 broad axe "Kosum" {antimagic,
                  | rC+}.
 33320 | D:14     | 33320 ||| SWAPPING to +6 heavy broad axe.
 33321 | D:14     | 33321 ||| SWAPPING to +9 broad axe "Kosum" {antimagic,
                  | rC+}.
 33322 | D:14     | 33322 ||| SWAPPING to +6 heavy broad axe.
 33323 | D:14     | 33323 ||| SWAPPING to +9 broad axe "Kosum" {antimagic,
                  | rC+}.
 33324 | D:14     | 33324 ||| SWAPPING to +6 heavy broad axe.
 33325 | D:14     | 33325 ||| SWAPPING to +9 broad axe "Kosum" {antimagic,
                  | rC+}.
 33326 | D:14     | 33326 ||| SWAPPING to +6 heavy broad axe.
 33327 | D:14     | 33327 ||| SWAPPING to +9 broad axe "Kosum" {antimagic,
                  | rC+}.
 33328 | D:14     | 33328 ||| SWAPPING to +6 heavy broad axe.
 33329 | D:14     | 33329 ||| SWAPPING to +9 broad axe "Kosum" {antimagic,
                  | rC+}.
 33330 | D:14     | 33330 ||| SWAPPING to +6 heavy broad axe.
 33331 | D:14     | 33331 ||| SWAPPING to +9 broad axe "Kosum" {antimagic,
                  | rC+}.
 33332 | D:14     | 33332 ||| SWAPPING to +6 heavy broad axe.
 33333 | D:14     | 33333 ||| SWAPPING to +9 broad axe "Kosum" {antimagic,
                  | rC+}.
 33334 | D:14     | 33334 ||| SWAPPING to +6 heavy broad axe.
 33335 | D:14     | 33335 ||| SWAPPING to +9 broad axe "Kosum" {antimagic,
                  | rC+}.
 33336 | D:14     | 33336 ||| SWAPPING to +6 heavy broad axe.
 33337 | D:14     | 33337 ||| SWAPPING to +9 broad axe "Kosum" {antimagic,
                  | rC+}.
 33338 | D:14     | 33338 ||| SWAPPING to +6 heavy broad axe.
 33339 | D:14     | 33339 ||| SWAPPING to +9 broad axe "Kosum" {antimagic,
                  | rC+}.
 33340 | D:14     | 33340 ||| SWAPPING to +6 heavy broad axe.
 33341 | D:14     | 33341 ||| SWAPPING to +9 broad axe "Kosum" {antimagic,
                  | rC+}.
 33342 | D:14     | 33342 ||| SWAPPING to +6 heavy broad axe.
 33343 | D:14     | 33343 ||| SWAPPING to +9 broad axe "Kosum" {antimagic,
                  | rC+}.
 33344 | D:14     | 33344 ||| SWAPPING to +6 heavy broad axe.
 33345 | D:14     | 33345 ||| SWAPPING to +9 broad axe "Kosum" {antimagic,
                  | rC+}.
 33346 | D:14     | 33346 ||| SWAPPING to +6 heavy broad axe.
 33347 | D:14     | 33347 ||| SWAPPING to +9 broad axe "Kosum" {antimagic,
                  | rC+}.
 33348 | D:14     | 33348 ||| SWAPPING to +6 heavy broad axe.
 33349 | D:14     | 33349 ||| SWAPPING to +9 broad axe "Kosum" {antimagic,
                  | rC+}.
 33350 | D:14     | 33350 ||| SWAPPING to +6 heavy broad axe.
 33351 | D:14     | 33351 ||| SWAPPING to +9 broad axe "Kosum" {antimagic,
                  | rC+}.
 33352 | D:14     | 33352 ||| SWAPPING to +6 heavy broad axe.
 33353 | D:14     | 33353 ||| SWAPPING to +9 broad axe "Kosum" {antimagic,
                  | rC+}.
 33354 | D:14     | 33354 ||| SWAPPING to +6 heavy broad axe.
 33355 | D:14     | 33355 ||| SWAPPING to +9 broad axe "Kosum" {antimagic,
                  | rC+}.
 33356 | D:14     | 33356 ||| SWAPPING to +6 heavy broad axe.
 33357 | D:14     | 33357 ||| SWAPPING to +9 broad axe "Kosum" {antimagic,
                  | rC+}.
 33358 | D:14     | 33358 ||| SWAPPING to +6 heavy broad axe.
 33359 | D:14     | 33359 ||| SWAPPING to +9 broad axe "Kosum" {antimagic,
                  | rC+}.
 33360 | D:14     | 33360 ||| SWAPPING to +6 heavy broad axe.
 33361 | D:14     | 33361 ||| SWAPPING to +9 broad axe "Kosum" {antimagic,
                  | rC+}.
 33362 | D:14     | 33362 ||| SWAPPING to +6 heavy broad axe.
 33363 | D:14     | 33363 ||| SWAPPING to +9 broad axe "Kosum" {antimagic,
                  | rC+}.
 33364 | D:14     | 33364 ||| SWAPPING to +6 heavy broad axe.
 33365 | D:14     | 33365 ||| SWAPPING to +9 broad axe "Kosum" {antimagic,
                  | rC+}.
 33366 | D:14     | 33366 ||| SWAPPING to +6 heavy broad axe.
 33367 | D:14     | 33367 ||| SWAPPING to +9 broad axe "Kosum" {antimagic,
                  | rC+}.
 33368 | D:14     | 33368 ||| SWAPPING to +6 heavy broad axe.
 33369 | D:14     | 33369 ||| SWAPPING to +9 broad axe "Kosum" {antimagic,
                  | rC+}.
 33370 | D:14     | 33370 ||| SWAPPING to +6 heavy broad axe.
 33371 | D:14     | 33371 ||| SWAPPING to +9 broad axe "Kosum" {antimagic,
                  | rC+}.
 33372 | D:14     | 33372 ||| SWAPPING to +6 heavy broad axe.
 33373 | D:14     | 33373 ||| SWAPPING to +9 broad axe "Kosum" {antimagic,
                  | rC+}.
 33374 | D:14     | 33374 ||| SWAPPING to +6 heavy broad axe.
 33375 | D:14     | 33375 ||| SWAPPING to +9 broad axe "Kosum" {antimagic,
                  | rC+}.
 33376 | D:14     | 33376 ||| SWAPPING to +6 heavy broad axe.
 33377 | D:14     | 33377 ||| SWAPPING to +9 broad axe "Kosum" {antimagic,
                  | rC+}.
 33378 | D:14     | 33378 ||| SWAPPING to +6 heavy broad axe.
 33379 | D:14     | 33379 ||| SWAPPING to +9 broad axe "Kosum" {antimagic,
                  | rC+}.
 33380 | D:14     | 33380 ||| SWAPPING to +6 heavy broad axe.
 33381 | D:14     | 33381 ||| SWAPPING to +9 broad axe "Kosum" {antimagic,
                  | rC+}.
 33382 | D:14     | 33382 ||| SWAPPING to +6 heavy broad axe.
 33383 | D:14     | 33383 ||| SWAPPING to +9 broad axe "Kosum" {antimagic,
                  | rC+}.
 33384 | D:14     | 33384 ||| SWAPPING to +6 heavy broad axe.
 33385 | D:14     | 33385 ||| SWAPPING to +9 broad axe "Kosum" {antimagic,
                  | rC+}.
 33386 | D:14     | 33386 ||| SWAPPING to +6 heavy broad axe.
 33387 | D:14     | 33387 ||| SWAPPING to +9 broad axe "Kosum" {antimagic,
                  | rC+}.
 33388 | D:14     | 33388 ||| SWAPPING to +6 heavy broad axe.
 33389 | D:14     | 33389 ||| SWAPPING to +9 broad axe "Kosum" {antimagic,
                  | rC+}.
 33390 | D:14     | 33390 ||| SWAPPING to +6 heavy broad axe.
 33391 | D:14     | 33391 ||| SWAPPING to +9 broad axe "Kosum" {antimagic,
                  | rC+}.
 33392 | D:14     | 33392 ||| SWAPPING to +6 heavy broad axe.
 33393 | D:14     | 33393 ||| SWAPPING to +9 broad axe "Kosum" {antimagic,
                  | rC+}.
 33394 | D:14     | 33394 ||| SWAPPING to +6 heavy broad axe.
 33395 | D:14     | 33395 ||| SWAPPING to +9 broad axe "Kosum" {antimagic,
                  | rC+}.
 33396 | D:14     | 33396 ||| SWAPPING to +6 heavy broad axe.
 33397 | D:14     | 33397 ||| SWAPPING to +9 broad axe "Kosum" {antimagic,
                  | rC+}.
 33398 | D:14     | 33398 ||| SWAPPING to +6 heavy broad axe.
 33399 | D:14     | 33399 ||| SWAPPING to +9 broad axe "Kosum" {antimagic,
                  | rC+}.
 33400 | D:14     | 33400 ||| SWAPPING to +6 heavy broad axe.
 33401 | D:14     | 33401 ||| SWAPPING to +9 broad axe "Kosum" {antimagic,
                  | rC+}.
 33402 | D:14     | 33402 ||| SWAPPING to +6 heavy broad axe.
 33403 | D:14     | 33403 ||| SWAPPING to +9 broad axe "Kosum" {antimagic,
                  | rC+}.
 33404 | D:14     | 33404 ||| SWAPPING to +6 heavy broad axe.
 33405 | D:14     | 33405 ||| SWAPPING to +9 broad axe "Kosum" {antimagic,
                  | rC+}.
 33406 | D:14     | 33406 ||| SWAPPING to +6 heavy broad axe.
 33407 | D:14     | 33407 ||| SWAPPING to +9 broad axe "Kosum" {antimagic,
                  | rC+}.
 33408 | D:14     | 33408 ||| SWAPPING to +6 heavy broad axe.
 33409 | D:14     | 33409 ||| SWAPPING to +9 broad axe "Kosum" {antimagic,
                  | rC+}.
 33410 | D:14     | 33410 ||| SWAPPING to +6 heavy broad axe.
 33411 | D:14     | 33411 ||| SWAPPING to +9 broad axe "Kosum" {antimagic,
                  | rC+}.
 33412 | D:14     | 33412 ||| SWAPPING to +6 heavy broad axe.
 33413 | D:14     | 33413 ||| SWAPPING to +9 broad axe "Kosum" {antimagic,
                  | rC+}.
 33414 | D:14     | 33414 ||| SWAPPING to +6 heavy broad axe.
 33415 | D:14     | 33415 ||| SWAPPING to +9 broad axe "Kosum" {antimagic,
                  | rC+}.
 33416 | D:14     | 33416 ||| SWAPPING to +6 heavy broad axe.
 33417 | D:14     | 33417 ||| SWAPPING to +9 broad axe "Kosum" {antimagic,
                  | rC+}.
 33418 | D:14     | 33418 ||| SWAPPING to +6 heavy broad axe.
 33419 | D:14     | 33419 ||| SWAPPING to +9 broad axe "Kosum" {antimagic,
                  | rC+}.
 33420 | D:14     | 33420 ||| SWAPPING to +6 heavy broad axe.
 33421 | D:14     | 33421 ||| SWAPPING to +9 broad axe "Kosum" {antimagic,
                  | rC+}.
 33422 | D:14     | 33422 ||| SWAPPING to +6 heavy broad axe.
 33423 | D:14     | 33423 ||| SWAPPING to +9 broad axe "Kosum" {antimagic,
                  | rC+}.
 33424 | D:14     | 33424 ||| SWAPPING to +6 heavy broad axe.
 33425 | D:14     | 33425 ||| SWAPPING to +9 broad axe "Kosum" {antimagic,
                  | rC+}.
 33426 | D:14     | 33426 ||| SWAPPING to +6 heavy broad axe.
 33427 | D:14     | 33427 ||| SWAPPING to +9 broad axe "Kosum" {antimagic,
                  | rC+}.
 33428 | D:14     | 33428 ||| SWAPPING to +6 heavy broad axe.
 33429 | D:14     | 33429 ||| SWAPPING to +9 broad axe "Kosum" {antimagic,
                  | rC+}.
 33430 | D:14     | 33430 ||| SWAPPING to +6 heavy broad axe.
 33431 | D:14     | 33431 ||| SWAPPING to +9 broad axe "Kosum" {antimagic,
                  | rC+}.
 33432 | D:14     | 33432 ||| SWAPPING to +6 heavy broad axe.
 33433 | D:14     | 33433 ||| SWAPPING to +9 broad axe "Kosum" {antimagic,
                  | rC+}.
 33434 | D:14     | 33434 ||| SWAPPING to +6 heavy broad axe.
 33435 | D:14     | 33435 ||| SWAPPING to +9 broad axe "Kosum" {antimagic,
                  | rC+}.
 33436 | D:14     | 33436 ||| SWAPPING to +6 heavy broad axe.
 33437 | D:14     | 33437 ||| SWAPPING to +9 broad axe "Kosum" {antimagic,
                  | rC+}.
 33438 | D:14     | 33438 ||| SWAPPING to +6 heavy broad axe.
 33439 | D:14     | 33439 ||| SWAPPING to +9 broad axe "Kosum" {antimagic,
                  | rC+}.
 33440 | D:14     | 33440 ||| SWAPPING to +6 heavy broad axe.
 33441 | D:14     | 33441 ||| SWAPPING to +9 broad axe "Kosum" {antimagic,
                  | rC+}.
 33442 | D:14     | 33442 ||| SWAPPING to +6 heavy broad axe.
 33443 | D:14     | 33443 ||| SWAPPING to +9 broad axe "Kosum" {antimagic,
                  | rC+}.
 33444 | D:14     | 33444 ||| SWAPPING to +6 heavy broad axe.
 33445 | D:14     | 33445 ||| SWAPPING to +9 broad axe "Kosum" {antimagic,
                  | rC+}.
 33446 | D:14     | 33446 ||| SWAPPING to +6 heavy broad axe.
 33447 | D:14     | 33447 ||| SWAPPING to +9 broad axe "Kosum" {antimagic,
                  | rC+}.
 33448 | D:14     | 33448 ||| SWAPPING to +6 heavy broad axe.
 33449 | D:14     | 33449 ||| SWAPPING to +9 broad axe "Kosum" {antimagic,
                  | rC+}.
 33450 | D:14     | 33450 ||| SWAPPING to +6 heavy broad axe.
 33451 | D:14     | 33451 ||| SWAPPING to +9 broad axe "Kosum" {antimagic,
                  | rC+}.
 33452 | D:14     | 33452 ||| SWAPPING to +6 heavy broad axe.
 33453 | D:14     | 33453 ||| SWAPPING to +9 broad axe "Kosum" {antimagic,
                  | rC+}.
 33454 | D:14     | 33454 ||| SWAPPING to +6 heavy broad axe.
 33455 | D:14     | 33455 ||| SWAPPING to +9 broad axe "Kosum" {antimagic,
                  | rC+}.
 33456 | D:14     | 33456 ||| SWAPPING to +6 heavy broad axe.
 33457 | D:14     | 33457 ||| SWAPPING to +9 broad axe "Kosum" {antimagic,
                  | rC+}.
 33458 | D:14     | 33458 ||| SWAPPING to +6 heavy broad axe.
 33459 | D:14     | 33459 ||| SWAPPING to +9 broad axe "Kosum" {antimagic,
                  | rC+}.
 33460 | D:14     | 33460 ||| SWAPPING to +6 heavy broad axe.
 33461 | D:14     | 33461 ||| SWAPPING to +9 broad axe "Kosum" {antimagic,
                  | rC+}.
 33462 | D:14     | 33462 ||| SWAPPING to +6 heavy broad axe.
 33463 | D:14     | 33463 ||| SWAPPING to +9 broad axe "Kosum" {antimagic,
                  | rC+}.
 33464 | D:14     | 33464 ||| SWAPPING to +6 heavy broad axe.
 33465 | D:14     | 33465 ||| SWAPPING to +9 broad axe "Kosum" {antimagic,
                  | rC+}.
 33466 | D:14     | 33466 ||| SWAPPING to +6 heavy broad axe.
 33467 | D:14     | 33467 ||| SWAPPING to +9 broad axe "Kosum" {antimagic,
                  | rC+}.
 33468 | D:14     | 33468 ||| SWAPPING to +6 heavy broad axe.
 33469 | D:14     | 33469 ||| SWAPPING to +9 broad axe "Kosum" {antimagic,
                  | rC+}.
 33470 | D:14     | 33470 ||| SWAPPING to +6 heavy broad axe.
 33471 | D:14     | 33471 ||| SWAPPING to +9 broad axe "Kosum" {antimagic,
                  | rC+}.
 33472 | D:14     | 33472 ||| SWAPPING to +6 heavy broad axe.
 33473 | D:14     | 33473 ||| SWAPPING to +9 broad axe "Kosum" {antimagic,
                  | rC+}.
 33474 | D:14     | 33474 ||| SWAPPING to +6 heavy broad axe.
 33475 | D:14     | 33475 ||| SWAPPING to +9 broad axe "Kosum" {antimagic,
                  | rC+}.
 33476 | D:14     | 33476 ||| SWAPPING to +6 heavy broad axe.
 33477 | D:14     | 33477 ||| SWAPPING to +9 broad axe "Kosum" {antimagic,
                  | rC+}.
 33478 | D:14     | 33478 ||| SWAPPING to +6 heavy broad axe.
 33479 | D:14     | 33479 ||| SWAPPING to +9 broad axe "Kosum" {antimagic,
                  | rC+}.
 33480 | D:14     | 33480 ||| SWAPPING to +6 heavy broad axe.
 33481 | D:14     | 33481 ||| SWAPPING to +9 broad axe "Kosum" {antimagic,
                  | rC+}.
 33482 | D:14     | 33482 ||| SWAPPING to +6 heavy broad axe.
 33483 | D:14     | 33483 ||| SWAPPING to +9 broad axe "Kosum" {antimagic,
                  | rC+}.
 33484 | D:14     | 33484 ||| SWAPPING to +6 heavy broad axe.
 33485 | D:14     | 33485 ||| SWAPPING to +9 broad axe "Kosum" {antimagic,
                  | rC+}.
 33486 | D:14     | 33486 ||| SWAPPING to +6 heavy broad axe.
 33487 | D:14     | 33487 ||| SWAPPING to +9 broad axe "Kosum" {antimagic,
                  | rC+}.
 33488 | D:14     | 33488 ||| SWAPPING to +6 heavy broad axe.
 33489 | D:14     | 33489 ||| SWAPPING to +9 broad axe "Kosum" {antimagic,
                  | rC+}.
 33490 | D:14     | 33490 ||| SWAPPING to +6 heavy broad axe.
 33491 | D:14     | 33491 ||| SWAPPING to +9 broad axe "Kosum" {antimagic,
                  | rC+}.
 33492 | D:14     | 33492 ||| SWAPPING to +6 heavy broad axe.
 33493 | D:14     | 33493 ||| SWAPPING to +9 broad axe "Kosum" {antimagic,
                  | rC+}.
 33494 | D:14     | 33494 ||| SWAPPING to +6 heavy broad axe.
 33495 | D:14     | 33495 ||| SWAPPING to +9 broad axe "Kosum" {antimagic,
                  | rC+}.
 33496 | D:14     | 33496 ||| SWAPPING to +6 heavy broad axe.
 33497 | D:14     | 33497 ||| SWAPPING to +9 broad axe "Kosum" {antimagic,
                  | rC+}.
 33498 | D:14     | 33498 ||| SWAPPING to +6 heavy broad axe.
 33499 | D:14     | 33499 ||| SWAPPING to +9 broad axe "Kosum" {antimagic,
                  | rC+}.
 33500 | D:14     | 33500 ||| SWAPPING to +6 heavy broad axe.
 33501 | D:14     | 33501 ||| SWAPPING to +9 broad axe "Kosum" {antimagic,
                  | rC+}.
 33502 | D:14     | 33502 ||| SWAPPING to +6 heavy broad axe.
 33503 | D:14     | 33503 ||| SWAPPING to +9 broad axe "Kosum" {antimagic,
                  | rC+}.
 33504 | D:14     | 33504 ||| SWAPPING to +6 heavy broad axe.
 33505 | D:14     | 33505 ||| SWAPPING to +9 broad axe "Kosum" {antimagic,
                  | rC+}.
 33506 | D:14     | 33506 ||| SWAPPING to +6 heavy broad axe.
 33507 | D:14     | 33507 ||| SWAPPING to +9 broad axe "Kosum" {antimagic,
                  | rC+}.
 33508 | D:14     | 33508 ||| SWAPPING to +6 heavy broad axe.
 33509 | D:14     | 33509 ||| SWAPPING to +9 broad axe "Kosum" {antimagic,
                  | rC+}.
 33510 | D:14     | 33510 ||| SWAPPING to +6 heavy broad axe.
 33511 | D:14     | 33511 ||| SWAPPING to +9 broad axe "Kosum" {antimagic,
                  | rC+}.
 33512 | D:14     | 33512 ||| SWAPPING to +6 heavy broad axe.
 33513 | D:14     | 33513 ||| SWAPPING to +9 broad axe "Kosum" {antimagic,
                  | rC+}.
 33514 | D:14     | 33514 ||| SWAPPING to +6 heavy broad axe.
 33515 | D:14     | 33515 ||| SWAPPING to +9 broad axe "Kosum" {antimagic,
                  | rC+}.
 33516 | D:14     | 33516 ||| SWAPPING to +6 heavy broad axe.
 33517 | D:14     | 33517 ||| SWAPPING to +9 broad axe "Kosum" {antimagic,
                  | rC+}.
 33518 | D:14     | 33518 ||| SWAPPING to +6 heavy broad axe.
 33519 | D:14     | 33519 ||| SWAPPING to +9 broad axe "Kosum" {antimagic,
                  | rC+}.
 33520 | D:14     | 33520 ||| SWAPPING to +6 heavy broad axe.
 33521 | D:14     | 33521 ||| SWAPPING to +9 broad axe "Kosum" {antimagic,
                  | rC+}.
 33522 | D:14     | 33522 ||| SWAPPING to +6 heavy broad axe.
 33523 | D:14     | 33523 ||| SWAPPING to +9 broad axe "Kosum" {antimagic,
                  | rC+}.
 33524 | D:14     | 33524 ||| SWAPPING to +6 heavy broad axe.
 33525 | D:14     | 33525 ||| SWAPPING to +9 broad axe "Kosum" {antimagic,
                  | rC+}.
 33526 | D:14     | 33526 ||| SWAPPING to +6 heavy broad axe.
 33527 | D:14     | 33527 ||| SWAPPING to +9 broad axe "Kosum" {antimagic,
                  | rC+}.
 33528 | D:14     | 33528 ||| SWAPPING to +6 heavy broad axe.
 33529 | D:14     | 33529 ||| SWAPPING to +9 broad axe "Kosum" {antimagic,
                  | rC+}.
 33530 | D:14     | 33530 ||| SWAPPING to +6 heavy broad axe.
 33531 | D:14     | 33531 ||| SWAPPING to +9 broad axe "Kosum" {antimagic,
                  | rC+}.
 33532 | D:14     | 33532 ||| SWAPPING to +6 heavy broad axe.
 33533 | D:14     | 33533 ||| SWAPPING to +9 broad axe "Kosum" {antimagic,
                  | rC+}.
 33534 | D:14     | 33534 ||| SWAPPING to +6 heavy broad axe.
 33535 | D:14     | 33535 ||| SWAPPING to +9 broad axe "Kosum" {antimagic,
                  | rC+}.
 33536 | D:14     | 33536 ||| SWAPPING to +6 heavy broad axe.
 33537 | D:14     | 33537 ||| SWAPPING to +9 broad axe "Kosum" {antimagic,
                  | rC+}.
 33538 | D:14     | 33538 ||| SWAPPING to +6 heavy broad axe.
 33539 | D:14     | 33539 ||| SWAPPING to +9 broad axe "Kosum" {antimagic,
                  | rC+}.
 33540 | D:14     | 33540 ||| SWAPPING to +6 heavy broad axe.
 33541 | D:14     | 33541 ||| SWAPPING to +9 broad axe "Kosum" {antimagic,
                  | rC+}.
 33542 | D:14     | 33542 ||| SWAPPING to +6 heavy broad axe.
 33543 | D:14     | 33543 ||| SWAPPING to +9 broad axe "Kosum" {antimagic,
                  | rC+}.
 33544 | D:14     | 33544 ||| SWAPPING to +6 heavy broad axe.
 33545 | D:14     | 33545 ||| SWAPPING to +9 broad axe "Kosum" {antimagic,
                  | rC+}.
 33546 | D:14     | 33546 ||| SWAPPING to +6 heavy broad axe.
 33547 | D:14     | 33547 ||| SWAPPING to +9 broad axe "Kosum" {antimagic,
                  | rC+}.
 33548 | D:14     | 33548 ||| SWAPPING to +6 heavy broad axe.
 33549 | D:14     | 33549 ||| SWAPPING to +9 broad axe "Kosum" {antimagic,
                  | rC+}.
 33550 | D:14     | 33550 ||| SWAPPING to +6 heavy broad axe.
 33551 | D:14     | 33551 ||| SWAPPING to +9 broad axe "Kosum" {antimagic,
                  | rC+}.
 33552 | D:14     | 33552 ||| SWAPPING to +6 heavy broad axe.
 33553 | D:14     | 33553 ||| SWAPPING to +9 broad axe "Kosum" {antimagic,
                  | rC+}.
 33554 | D:14     | 33554 ||| SWAPPING to +6 heavy broad axe.
 33555 | D:14     | 33555 ||| SWAPPING to +9 broad axe "Kosum" {antimagic,
                  | rC+}.
 33556 | D:14     | 33556 ||| SWAPPING to +6 heavy broad axe.
 33557 | D:14     | 33557 ||| SWAPPING to +9 broad axe "Kosum" {antimagic,
                  | rC+}.
 33558 | D:14     | 33558 ||| SWAPPING to +6 heavy broad axe.
 33559 | D:14     | 33559 ||| SWAPPING to +9 broad axe "Kosum" {antimagic,
                  | rC+}.
 33560 | D:14     | 33560 ||| SWAPPING to +6 heavy broad axe.
 33561 | D:14     | 33561 ||| SWAPPING to +9 broad axe "Kosum" {antimagic,
                  | rC+}.
 33562 | D:14     | 33562 ||| SWAPPING to +6 heavy broad axe.
 33563 | D:14     | 33563 ||| SWAPPING to +9 broad axe "Kosum" {antimagic,
                  | rC+}.
 33564 | D:14     | 33564 ||| SWAPPING to +6 heavy broad axe.
 33565 | D:14     | 33565 ||| SWAPPING to +9 broad axe "Kosum" {antimagic,
                  | rC+}.
 33566 | D:14     | 33566 ||| SWAPPING to +6 heavy broad axe.
 33567 | D:14     | 33567 ||| SWAPPING to +9 broad axe "Kosum" {antimagic,
                  | rC+}.
 33568 | D:14     | 33568 ||| SWAPPING to +6 heavy broad axe.
 33569 | D:14     | 33569 ||| SWAPPING to +9 broad axe "Kosum" {antimagic,
                  | rC+}.
 33570 | D:14     | 33570 ||| SWAPPING to +6 heavy broad axe.
 33571 | D:14     | 33571 ||| SWAPPING to +9 broad axe "Kosum" {antimagic,
                  | rC+}.
 33572 | D:14     | 33572 ||| SWAPPING to +6 heavy broad axe.
 33573 | D:14     | 33573 ||| SWAPPING to +9 broad axe "Kosum" {antimagic,
                  | rC+}.
 33574 | D:14     | 33574 ||| SWAPPING to +6 heavy broad axe.
 33575 | D:14     | 33575 ||| SWAPPING to +9 broad axe "Kosum" {antimagic,
                  | rC+}.
 33576 | D:14     | 33576 ||| SWAPPING to +6 heavy broad axe.
 33577 | D:14     | 33577 ||| SWAPPING to +9 broad axe "Kosum" {antimagic,
                  | rC+}.
 33578 | D:14     | 33578 ||| SWAPPING to +6 heavy broad axe.
 33579 | D:14     | 33579 ||| SWAPPING to +9 broad axe "Kosum" {antimagic,
                  | rC+}.
 33580 | D:14     | 33580 ||| SWAPPING to +6 heavy broad axe.
 33581 | D:14     | 33581 ||| SWAPPING to +9 broad axe "Kosum" {antimagic,
                  | rC+}.
 33582 | D:14     | 33582 ||| SWAPPING to +6 heavy broad axe.
 33583 | D:14     | 33583 ||| SWAPPING to +9 broad axe "Kosum" {antimagic,
                  | rC+}.
 33584 | D:14     | 33584 ||| SWAPPING to +6 heavy broad axe.
 33585 | D:14     | 33585 ||| SWAPPING to +9 broad axe "Kosum" {antimagic,
                  | rC+}.
 33586 | D:14     | 33586 ||| SWAPPING to +6 heavy broad axe.
 33587 | D:14     | 33587 ||| SWAPPING to +9 broad axe "Kosum" {antimagic,
                  | rC+}.
 33588 | D:14     | 33588 ||| SWAPPING to +6 heavy broad axe.
 33589 | D:14     | 33589 ||| SWAPPING to +9 broad axe "Kosum" {antimagic,
                  | rC+}.
 33590 | D:14     | 33590 ||| SWAPPING to +6 heavy broad axe.
 33591 | D:14     | 33591 ||| SWAPPING to +9 broad axe "Kosum" {antimagic,
                  | rC+}.
 33592 | D:14     | 33592 ||| SWAPPING to +6 heavy broad axe.
 33593 | D:14     | 33593 ||| SWAPPING to +9 broad axe "Kosum" {antimagic,
                  | rC+}.
 33594 | D:14     | 33594 ||| SWAPPING to +6 heavy broad axe.
 33595 | D:14     | 33595 ||| SWAPPING to +9 broad axe "Kosum" {antimagic,
                  | rC+}.
 33596 | D:14     | 33596 ||| SWAPPING to +6 heavy broad axe.
 33597 | D:14     | 33597 ||| SWAPPING to +9 broad axe "Kosum" {antimagic,
                  | rC+}.
 33598 | D:14     | 33598 ||| SWAPPING to +6 heavy broad axe.
 33599 | D:14     | 33599 ||| SWAPPING to +9 broad axe "Kosum" {antimagic,
                  | rC+}.
 33600 | D:14     | 33600 ||| SWAPPING to +6 heavy broad axe.
 33601 | D:14     | 33601 ||| SWAPPING to +9 broad axe "Kosum" {antimagic,
                  | rC+}.
 33602 | D:14     | 33602 ||| SWAPPING to +6 heavy broad axe.
 33603 | D:14     | 33603 ||| SWAPPING to +9 broad axe "Kosum" {antimagic,
                  | rC+}.
 33604 | D:14     | 33604 ||| SWAPPING to +6 heavy broad axe.
 33605 | D:14     | 33605 ||| SWAPPING to +9 broad axe "Kosum" {antimagic,
                  | rC+}.
 33606 | D:14     | 33606 ||| SWAPPING to +6 heavy broad axe.
 33607 | D:14     | 33607 ||| SWAPPING to +9 broad axe "Kosum" {antimagic,
                  | rC+}.
 33608 | D:14     | 33608 ||| SWAPPING to +6 heavy broad axe.
 33609 | D:14     | 33609 ||| SWAPPING to +9 broad axe "Kosum" {antimagic,
                  | rC+}.
 33610 | D:14     | 33610 ||| SWAPPING to +6 heavy broad axe.
 33611 | D:14     | 33611 ||| SWAPPING to +9 broad axe "Kosum" {antimagic,
                  | rC+}.
 33612 | D:14     | 33612 ||| SWAPPING to +6 heavy broad axe.
 33613 | D:14     | 33613 ||| SWAPPING to +9 broad axe "Kosum" {antimagic,
                  | rC+}.
 33614 | D:14     | 33614 ||| SWAPPING to +6 heavy broad axe.
 33615 | D:14     | 33615 ||| SWAPPING to +9 broad axe "Kosum" {antimagic,
                  | rC+}.
 33616 | D:14     | 33616 ||| SWAPPING to +6 heavy broad axe.
 33617 | D:14     | 33617 ||| SWAPPING to +9 broad axe "Kosum" {antimagic,
                  | rC+}.
 33618 | D:14     | 33618 ||| SWAPPING to +6 heavy broad axe.
 33619 | D:14     | 33619 ||| SWAPPING to +9 broad axe "Kosum" {antimagic,
                  | rC+}.
 33620 | D:14     | 33620 ||| SWAPPING to +6 heavy broad axe.
 33621 | D:14     | 33621 ||| SWAPPING to +9 broad axe "Kosum" {antimagic,
                  | rC+}.
 33622 | D:14     | 33622 ||| SWAPPING to +6 heavy broad axe.
 33623 | D:14     | 33623 ||| SWAPPING to +9 broad axe "Kosum" {antimagic,
                  | rC+}.
 33624 | D:14     | 33624 ||| SWAPPING to +6 heavy broad axe.
 33625 | D:14     | 33625 ||| SWAPPING to +9 broad axe "Kosum" {antimagic,
                  | rC+}.
 33626 | D:14     | 33626 ||| SWAPPING to +6 heavy broad axe.
 33627 | D:14     | 33627 ||| SWAPPING to +9 broad axe "Kosum" {antimagic,
                  | rC+}.
 33628 | D:14     | 33628 ||| SWAPPING to +6 heavy broad axe.
 33629 | D:14     | 33629 ||| SWAPPING to +9 broad axe "Kosum" {antimagic,
                  | rC+}.
 33630 | D:14     | 33630 ||| SWAPPING to +6 heavy broad axe.
 33631 | D:14     | 33631 ||| SWAPPING to +9 broad axe "Kosum" {antimagic,
                  | rC+}.
 33632 | D:14     | 33632 ||| SWAPPING to +6 heavy broad axe.
 33633 | D:14     | 33633 ||| SWAPPING to +9 broad axe "Kosum" {antimagic,
                  | rC+}.
 33634 | D:14     | 33634 ||| SWAPPING to +6 heavy broad axe.
 33635 | D:14     | 33635 ||| SWAPPING to +9 broad axe "Kosum" {antimagic,
                  | rC+}.
 33636 | D:14     | 33636 ||| SWAPPING to +6 heavy broad axe.
 33637 | D:14     | 33637 ||| SWAPPING to +9 broad axe "Kosum" {antimagic,
                  | rC+}.
 33638 | D:14     | 33638 ||| SWAPPING to +6 heavy broad axe.
 33639 | D:14     | 33639 ||| SWAPPING to +9 broad axe "Kosum" {antimagic,
                  | rC+}.
 33640 | D:14     | 33640 ||| SWAPPING to +6 heavy broad axe.
 33641 | D:14     | 33641 ||| SWAPPING to +9 broad axe "Kosum" {antimagic,
                  | rC+}.
 33642 | D:14     | 33642 ||| SWAPPING to +6 heavy broad axe.
 33643 | D:14     | 33643 ||| SWAPPING to +9 broad axe "Kosum" {antimagic,
                  | rC+}.
 33644 | D:14     | 33644 ||| SWAPPING to +6 heavy broad axe.
 33645 | D:14     | 33645 ||| SWAPPING to +9 broad axe "Kosum" {antimagic,
                  | rC+}.
 33646 | D:14     | 33646 ||| SWAPPING to +6 heavy broad axe.
 33647 | D:14     | 33647 ||| SWAPPING to +9 broad axe "Kosum" {antimagic,
                  | rC+}.
 33648 | D:14     | 33648 ||| SWAPPING to +6 heavy broad axe.
 33649 | D:14     | 33649 ||| SWAPPING to +9 broad axe "Kosum" {antimagic,
                  | rC+}.
 33650 | D:14     | 33650 ||| SWAPPING to +6 heavy broad axe.
 33651 | D:14     | 33651 ||| SWAPPING to +9 broad axe "Kosum" {antimagic,
                  | rC+}.
 33652 | D:14     | 33652 ||| SWAPPING to +6 heavy broad axe.
 33653 | D:14     | 33653 ||| SWAPPING to +9 broad axe "Kosum" {antimagic,
                  | rC+}.
 33654 | D:14     | 33654 ||| SWAPPING to +6 heavy broad axe.
 33655 | D:14     | 33655 ||| SWAPPING to +9 broad axe "Kosum" {antimagic,
                  | rC+}.
 33656 | D:14     | 33656 ||| SWAPPING to +6 heavy broad axe.
 33657 | D:14     | 33657 ||| SWAPPING to +9 broad axe "Kosum" {antimagic,
                  | rC+}.
 33658 | D:14     | 33658 ||| SWAPPING to +6 heavy broad axe.
 33659 | D:14     | 33659 ||| SWAPPING to +9 broad axe "Kosum" {antimagic,
                  | rC+}.
 33660 | D:14     | 33660 ||| SWAPPING to +6 heavy broad axe.
 33661 | D:14     | 33661 ||| SWAPPING to +9 broad axe "Kosum" {antimagic,
                  | rC+}.
 33662 | D:14     | 33662 ||| SWAPPING to +6 heavy broad axe.
 33663 | D:14     | 33663 ||| SWAPPING to +9 broad axe "Kosum" {antimagic,
                  | rC+}.
 33664 | D:14     | 33664 ||| SWAPPING to +6 heavy broad axe.
 33665 | D:14     | 33665 ||| SWAPPING to +9 broad axe "Kosum" {antimagic,
                  | rC+}.
 33666 | D:14     | 33666 ||| SWAPPING to +6 heavy broad axe.
 33667 | D:14     | 33667 ||| SWAPPING to +9 broad axe "Kosum" {antimagic,
                  | rC+}.
 33668 | D:14     | 33668 ||| SWAPPING to +6 heavy broad axe.
 33669 | D:14     | 33669 ||| SWAPPING to +9 broad axe "Kosum" {antimagic,
                  | rC+}.
 33670 | D:14     | 33670 ||| SWAPPING to +6 heavy broad axe.
 33671 | D:14     | 33671 ||| SWAPPING to +9 broad axe "Kosum" {antimagic,
                  | rC+}.
 33672 | D:14     | 33672 ||| SWAPPING to +6 heavy broad axe.
 33673 | D:14     | 33673 ||| SWAPPING to +9 broad axe "Kosum" {antimagic,
                  | rC+}.
 33674 | D:14     | 33674 ||| SWAPPING to +6 heavy broad axe.
 33675 | D:14     | 33675 ||| SWAPPING to +9 broad axe "Kosum" {antimagic,
                  | rC+}.
 33676 | D:14     | 33676 ||| SWAPPING to +6 heavy broad axe.
 33677 | D:14     | 33677 ||| SWAPPING to +9 broad axe "Kosum" {antimagic,
                  | rC+}.
 33678 | D:14     | 33678 ||| SWAPPING to +6 heavy broad axe.
 33679 | D:14     | 33679 ||| SWAPPING to +9 broad axe "Kosum" {antimagic,
                  | rC+}.
 33680 | D:14     | 33680 ||| SWAPPING to +6 heavy broad axe.
 33681 | D:14     | 33681 ||| SWAPPING to +9 broad axe "Kosum" {antimagic,
                  | rC+}.
 33682 | D:14     | 33682 ||| SWAPPING to +6 heavy broad axe.
 33683 | D:14     | 33683 ||| SWAPPING to +9 broad axe "Kosum" {antimagic,
                  | rC+}.
 33684 | D:14     | 33684 ||| SWAPPING to +6 heavy broad axe.
 33685 | D:14     | 33685 ||| SWAPPING to +9 broad axe "Kosum" {antimagic,
                  | rC+}.
 33686 | D:14     | 33686 ||| SWAPPING to +6 heavy broad axe.
 33687 | D:14     | 33687 ||| SWAPPING to +9 broad axe "Kosum" {antimagic,
                  | rC+}.
 33688 | D:14     | 33688 ||| SWAPPING to +6 heavy broad axe.
 33689 | D:14     | 33689 ||| SWAPPING to +9 broad axe "Kosum" {antimagic,
                  | rC+}.
 33690 | D:14     | 33690 ||| SWAPPING to +6 heavy broad axe.
 33691 | D:14     | 33691 ||| SWAPPING to +9 broad axe "Kosum" {antimagic,
                  | rC+}.
 33692 | D:14     | 33692 ||| SWAPPING to +6 heavy broad axe.
 33693 | D:14     | 33693 ||| SWAPPING to +9 broad axe "Kosum" {antimagic,
                  | rC+}.
 33694 | D:14     | 33694 ||| SWAPPING to +6 heavy broad axe.
 33695 | D:14     | 33695 ||| SWAPPING to +9 broad axe "Kosum" {antimagic,
                  | rC+}.
 33696 | D:14     | 33696 ||| SWAPPING to +6 heavy broad axe.
 33697 | D:14     | 33697 ||| SWAPPING to +9 broad axe "Kosum" {antimagic,
                  | rC+}.
 33698 | D:14     | 33698 ||| SWAPPING to +6 heavy broad axe.
 33699 | D:14     | 33699 ||| SWAPPING to +9 broad axe "Kosum" {antimagic,
                  | rC+}.
 33700 | D:14     | 33700 ||| SWAPPING to +6 heavy broad axe.
 33701 | D:14     | 33701 ||| SWAPPING to +9 broad axe "Kosum" {antimagic,
                  | rC+}.
 33702 | D:14     | 33702 ||| SWAPPING to +6 heavy broad axe.
 33703 | D:14     | 33703 ||| SWAPPING to +9 broad axe "Kosum" {antimagic,
                  | rC+}.
 33704 | D:14     | 33704 ||| SWAPPING to +6 heavy broad axe.
 33705 | D:14     | 33705 ||| SWAPPING to +9 broad axe "Kosum" {antimagic,
                  | rC+}.
 33706 | D:14     | 33706 ||| SWAPPING to +6 heavy broad axe.
 33707 | D:14     | 33707 ||| SWAPPING to +9 broad axe "Kosum" {antimagic,
                  | rC+}.
 33708 | D:14     | 33708 ||| SWAPPING to +6 heavy broad axe.
 33709 | D:14     | 33709 ||| SWAPPING to +9 broad axe "Kosum" {antimagic,
                  | rC+}.
 33710 | D:14     | 33710 ||| SWAPPING to +6 heavy broad axe.
 33711 | D:14     | 33711 ||| SWAPPING to +9 broad axe "Kosum" {antimagic,
                  | rC+}.
 33712 | D:14     | 33712 ||| SWAPPING to +6 heavy broad axe.
 33713 | D:14     | 33713 ||| SWAPPING to +9 broad axe "Kosum" {antimagic,
                  | rC+}.
 33714 | D:14     | 33714 ||| SWAPPING to +6 heavy broad axe.
 33715 | D:14     | 33715 ||| SWAPPING to +9 broad axe "Kosum" {antimagic,
                  | rC+}.
 33716 | D:14     | 33716 ||| SWAPPING to +6 heavy broad axe.
 33717 | D:14     | 33717 ||| SWAPPING to +9 broad axe "Kosum" {antimagic,
                  | rC+}.
 33718 | D:14     | 33718 ||| SWAPPING to +6 heavy broad axe.
 33719 | D:14     | 33719 ||| SWAPPING to +9 broad axe "Kosum" {antimagic,
                  | rC+}.
 33720 | D:14     | 33720 ||| SWAPPING to +6 heavy broad axe.
 33721 | D:14     | 33721 ||| SWAPPING to +9 broad axe "Kosum" {antimagic,
                  | rC+}.
 33722 | D:14     | 33722 ||| SWAPPING to +6 heavy broad axe.
 33723 | D:14     | 33723 ||| SWAPPING to +9 broad axe "Kosum" {antimagic,
                  | rC+}.
 33724 | D:14     | 33724 ||| SWAPPING to +6 heavy broad axe.
 33725 | D:14     | 33725 ||| SWAPPING to +9 broad axe "Kosum" {antimagic,
                  | rC+}.
 33726 | D:14     | 33726 ||| SWAPPING to +6 heavy broad axe.
 33727 | D:14     | 33727 ||| SWAPPING to +9 broad axe "Kosum" {antimagic,
                  | rC+}.
 33728 | D:14     | 33728 ||| SWAPPING to +6 heavy broad axe.
 33729 | D:14     | 33729 ||| SWAPPING to +9 broad axe "Kosum" {antimagic,
                  | rC+}.
 33730 | D:14     | 33730 ||| SWAPPING to +6 heavy broad axe.
 33731 | D:14     | 33731 ||| SWAPPING to +9 broad axe "Kosum" {antimagic,
                  | rC+}.
 33732 | D:14     | 33732 ||| SWAPPING to +6 heavy broad axe.
 33733 | D:14     | 33733 ||| SWAPPING to +9 broad axe "Kosum" {antimagic,
                  | rC+}.
 33734 | D:14     | 33734 ||| SWAPPING to +6 heavy broad axe.
 33735 | D:14     | 33735 ||| SWAPPING to +9 broad axe "Kosum" {antimagic,
                  | rC+}.
 33736 | D:14     | 33736 ||| SWAPPING to +6 heavy broad axe.
 33737 | D:14     | 33737 ||| SWAPPING to +9 broad axe "Kosum" {antimagic,
                  | rC+}.
 33738 | D:14     | 33738 ||| SWAPPING to +6 heavy broad axe.
 33739 | D:14     | 33739 ||| SWAPPING to +9 broad axe "Kosum" {antimagic,
                  | rC+}.
 33740 | D:14     | 33740 ||| SWAPPING to +6 heavy broad axe.
 33741 | D:14     | 33741 ||| SWAPPING to +9 broad axe "Kosum" {antimagic,
                  | rC+}.
 33742 | D:14     | 33742 ||| SWAPPING to +6 heavy broad axe.
 33743 | D:14     | 33743 ||| SWAPPING to +9 broad axe "Kosum" {antimagic,
                  | rC+}.
 33744 | D:14     | 33744 ||| SWAPPING to +6 heavy broad axe.
 33745 | D:14     | 33745 ||| SWAPPING to +9 broad axe "Kosum" {antimagic,
                  | rC+}.
 33746 | D:14     | 33746 ||| SWAPPING to +6 heavy broad axe.
 33747 | D:14     | 33747 ||| SWAPPING to +9 broad axe "Kosum" {antimagic,
                  | rC+}.
 33748 | D:14     | 33748 ||| SWAPPING to +6 heavy broad axe.
 33749 | D:14     | 33749 ||| SWAPPING to +9 broad axe "Kosum" {antimagic,
                  | rC+}.
 33750 | D:14     | 33750 ||| SWAPPING to +6 heavy broad axe.
 33751 | D:14     | 33751 ||| SWAPPING to +9 broad axe "Kosum" {antimagic,
                  | rC+}.
 33752 | D:14     | 33752 ||| SWAPPING to +6 heavy broad axe.
 33753 | D:14     | 33753 ||| SWAPPING to +9 broad axe "Kosum" {antimagic,
                  | rC+}.
 33754 | D:14     | 33754 ||| SWAPPING to +6 heavy broad axe.
 33755 | D:14     | 33755 ||| SWAPPING to +9 broad axe "Kosum" {antimagic,
                  | rC+}.
 33756 | D:14     | 33756 ||| SWAPPING to +6 heavy broad axe.
 33757 | D:14     | 33757 ||| SWAPPING to +9 broad axe "Kosum" {antimagic,
                  | rC+}.
 33758 | D:14     | 33758 ||| SWAPPING to +6 heavy broad axe.
 33759 | D:14     | 33759 ||| SWAPPING to +9 broad axe "Kosum" {antimagic,
                  | rC+}.
 33760 | D:14     | 33760 ||| SWAPPING to +6 heavy broad axe.
 33761 | D:14     | 33761 ||| SWAPPING to +9 broad axe "Kosum" {antimagic,
                  | rC+}.
 33762 | D:14     | 33762 ||| SWAPPING to +6 heavy broad axe.
 33763 | D:14     | 33763 ||| SWAPPING to +9 broad axe "Kosum" {antimagic,
                  | rC+}.
 33764 | D:14     | 33764 ||| SWAPPING to +6 heavy broad axe.
 33765 | D:14     | 33765 ||| SWAPPING to +9 broad axe "Kosum" {antimagic,
                  | rC+}.
 33766 | D:14     | 33766 ||| SWAPPING to +6 heavy broad axe.
 33767 | D:14     | 33767 ||| SWAPPING to +9 broad axe "Kosum" {antimagic,
                  | rC+}.
 33768 | D:14     | 33768 ||| SWAPPING to +6 heavy broad axe.
 33769 | D:14     | 33769 ||| SWAPPING to +9 broad axe "Kosum" {antimagic,
                  | rC+}.
 33770 | D:14     | 33770 ||| SWAPPING to +6 heavy broad axe.
 33771 | D:14     | 33771 ||| SWAPPING to +9 broad axe "Kosum" {antimagic,
                  | rC+}.
 33772 | D:14     | 33772 ||| SWAPPING to +6 heavy broad axe.
 33773 | D:14     | 33773 ||| SWAPPING to +9 broad axe "Kosum" {antimagic,
                  | rC+}.
 33774 | D:14     | 33774 ||| SWAPPING to +6 heavy broad axe.
 33775 | D:14     | 33775 ||| SWAPPING to +9 broad axe "Kosum" {antimagic,
                  | rC+}.
 33776 | D:14     | 33776 ||| SWAPPING to +6 heavy broad axe.
 33777 | D:14     | 33777 ||| SWAPPING to +9 broad axe "Kosum" {antimagic,
                  | rC+}.
 33778 | D:14     | 33778 ||| SWAPPING to +6 heavy broad axe.
 33779 | D:14     | 33779 ||| SWAPPING to +9 broad axe "Kosum" {antimagic,
                  | rC+}.
 33780 | D:14     | 33780 ||| SWAPPING to +6 heavy broad axe.
 33781 | D:14     | 33781 ||| SWAPPING to +9 broad axe "Kosum" {antimagic,
                  | rC+}.
 33782 | D:14     | 33782 ||| SWAPPING to +6 heavy broad axe.
 33783 | D:14     | 33783 ||| SWAPPING to +9 broad axe "Kosum" {antimagic,
                  | rC+}.
 33784 | D:14     | 33784 ||| SWAPPING to +6 heavy broad axe.
 33785 | D:14     | 33785 ||| SWAPPING to +9 broad axe "Kosum" {antimagic,
                  | rC+}.
 33786 | D:14     | 33786 ||| SWAPPING to +6 heavy broad axe.
 33787 | D:14     | 33787 ||| SWAPPING to +9 broad axe "Kosum" {antimagic,
                  | rC+}.
 33788 | D:14     | 33788 ||| SWAPPING to +6 heavy broad axe.
 33789 | D:14     | 33789 ||| SWAPPING to +9 broad axe "Kosum" {antimagic,
                  | rC+}.
 33790 | D:14     | 33790 ||| SWAPPING to +6 heavy broad axe.
 33791 | D:14     | 33791 ||| SWAPPING to +9 broad axe "Kosum" {antimagic,
                  | rC+}.
 33792 | D:14     | 33792 ||| SWAPPING to +6 heavy broad axe.
 33793 | D:14     | 33793 ||| SWAPPING to +9 broad axe "Kosum" {antimagic,
                  | rC+}.
 33794 | D:14     | 33794 ||| SWAPPING to +6 heavy broad axe.
 33795 | D:14     | 33795 ||| SWAPPING to +9 broad axe "Kosum" {antimagic,
                  | rC+}.
 33796 | D:14     | 33796 ||| SWAPPING to +6 heavy broad axe.
 33797 | D:14     | 33797 ||| SWAPPING to +9 broad axe "Kosum" {antimagic,
                  | rC+}.
 33798 | D:14     | 33798 ||| SWAPPING to +6 heavy broad axe.
 33799 | D:14     | 33799 ||| SWAPPING to +9 broad axe "Kosum" {antimagic,
                  | rC+}.
 33800 | D:14     | 33800 ||| SWAPPING to +6 heavy broad axe.
 33801 | D:14     | 33801 ||| SWAPPING to +9 broad axe "Kosum" {antimagic,
                  | rC+}.
 33802 | D:14     | 33802 ||| SWAPPING to +6 heavy broad axe.
 33803 | D:14     | 33803 ||| SWAPPING to +9 broad axe "Kosum" {antimagic,
                  | rC+}.
 33804 | D:14     | 33804 ||| SWAPPING to +6 heavy broad axe.
 33805 | D:14     | 33805 ||| SWAPPING to +9 broad axe "Kosum" {antimagic,
                  | rC+}.
 33806 | D:14     | 33806 ||| SWAPPING to +6 heavy broad axe.
 33807 | D:14     | 33807 ||| SWAPPING to +9 broad axe "Kosum" {antimagic,
                  | rC+}.
 33808 | D:14     | 33808 ||| SWAPPING to +6 heavy broad axe.
 33809 | D:14     | 33809 ||| SWAPPING to +9 broad axe "Kosum" {antimagic,
                  | rC+}.
 33810 | D:14     | 33810 ||| SWAPPING to +6 heavy broad axe.
 33811 | D:14     | 33811 ||| SWAPPING to +9 broad axe "Kosum" {antimagic,
                  | rC+}.
 33812 | D:14     | 33812 ||| SWAPPING to +6 heavy broad axe.
 33813 | D:14     | 33813 ||| SWAPPING to +9 broad axe "Kosum" {antimagic,
                  | rC+}.
 33814 | D:14     | 33814 ||| SWAPPING to +6 heavy broad axe.
 33815 | D:14     | 33815 ||| SWAPPING to +9 broad axe "Kosum" {antimagic,
                  | rC+}.
 33816 | D:14     | 33816 ||| SWAPPING to +6 heavy broad axe.
 33817 | D:14     | 33817 ||| SWAPPING to +9 broad axe "Kosum" {antimagic,
                  | rC+}.
 33818 | D:14     | 33818 ||| SWAPPING to +6 heavy broad axe.
 33819 | D:14     | 33819 ||| SWAPPING to +9 broad axe "Kosum" {antimagic,
                  | rC+}.
 33820 | D:14     | 33820 ||| SWAPPING to +6 heavy broad axe.
 33821 | D:14     | 33821 ||| SWAPPING to +9 broad axe "Kosum" {antimagic,
                  | rC+}.
 33822 | D:14     | 33822 ||| SWAPPING to +6 heavy broad axe.
 33823 | D:14     | 33823 ||| SWAPPING to +9 broad axe "Kosum" {antimagic,
                  | rC+}.
 33824 | D:14     | 33824 ||| SWAPPING to +6 heavy broad axe.
 33825 | D:14     | 33825 ||| SWAPPING to +9 broad axe "Kosum" {antimagic,
                  | rC+}.
 33826 | D:14     | 33826 ||| SWAPPING to +6 heavy broad axe.
 33827 | D:14     | 33827 ||| SWAPPING to +9 broad axe "Kosum" {antimagic,
                  | rC+}.
 33828 | D:14     | 33828 ||| SWAPPING to +6 heavy broad axe.
 33829 | D:14     | 33829 ||| SWAPPING to +9 broad axe "Kosum" {antimagic,
                  | rC+}.
 33830 | D:14     | 33830 ||| SWAPPING to +6 heavy broad axe.
 33831 | D:14     | 33831 ||| SWAPPING to +9 broad axe "Kosum" {antimagic,
                  | rC+}.
 33832 | D:14     | 33832 ||| SWAPPING to +6 heavy broad axe.
 33833 | D:14     | 33833 ||| SWAPPING to +9 broad axe "Kosum" {antimagic,
                  | rC+}.
 33834 | D:14     | 33834 ||| SWAPPING to +6 heavy broad axe.
 33835 | D:14     | 33835 ||| SWAPPING to +9 broad axe "Kosum" {antimagic,
                  | rC+}.
 33836 | D:14     | 33836 ||| SWAPPING to +6 heavy broad axe.
 33837 | D:14     | 33837 ||| SWAPPING to +9 broad axe "Kosum" {antimagic,
                  | rC+}.
 33838 | D:14     | 33838 ||| SWAPPING to +6 heavy broad axe.
 33839 | D:14     | 33839 ||| SWAPPING to +9 broad axe "Kosum" {antimagic,
                  | rC+}.
 33840 | D:14     | 33840 ||| SWAPPING to +6 heavy broad axe.
 33841 | D:14     | 33841 ||| SWAPPING to +9 broad axe "Kosum" {antimagic,
                  | rC+}.
 33842 | D:14     | 33842 ||| SWAPPING to +6 heavy broad axe.
 33843 | D:14     | 33843 ||| SWAPPING to +9 broad axe "Kosum" {antimagic,
                  | rC+}.
 33844 | D:14     | 33844 ||| SWAPPING to +6 heavy broad axe.
 33845 | D:14     | 33845 ||| SWAPPING to +9 broad axe "Kosum" {antimagic,
                  | rC+}.
 33846 | D:14     | 33846 ||| SWAPPING to +6 heavy broad axe.
 33847 | D:14     | 33847 ||| SWAPPING to +9 broad axe "Kosum" {antimagic,
                  | rC+}.
 33848 | D:14     | 33848 ||| SWAPPING to +6 heavy broad axe.
 33849 | D:14     | 33849 ||| SWAPPING to +9 broad axe "Kosum" {antimagic,
                  | rC+}.
 33850 | D:14     | 33850 ||| SWAPPING to +6 heavy broad axe.
 33851 | D:14     | 33851 ||| SWAPPING to +9 broad axe "Kosum" {antimagic,
                  | rC+}.
 33852 | D:14     | 33852 ||| SWAPPING to +6 heavy broad axe.
 33853 | D:14     | 33853 ||| SWAPPING to +9 broad axe "Kosum" {antimagic,
                  | rC+}.
 33854 | D:14     | 33854 ||| SWAPPING to +6 heavy broad axe.
 33855 | D:14     | 33855 ||| SWAPPING to +9 broad axe "Kosum" {antimagic,
                  | rC+}.
 33856 | D:14     | 33856 ||| SWAPPING to +6 heavy broad axe.
 33857 | D:14     | 33857 ||| SWAPPING to +9 broad axe "Kosum" {antimagic,
                  | rC+}.
 33858 | D:14     | 33858 ||| SWAPPING to +6 heavy broad axe.
 33859 | D:14     | 33859 ||| SWAPPING to +9 broad axe "Kosum" {antimagic,
                  | rC+}.
 33860 | D:14     | 33860 ||| SWAPPING to +6 heavy broad axe.
 33861 | D:14     | 33861 ||| SWAPPING to +9 broad axe "Kosum" {antimagic,
                  | rC+}.
 33862 | D:14     | 33862 ||| SWAPPING to +6 heavy broad axe.
 33863 | D:14     | 33863 ||| SWAPPING to +9 broad axe "Kosum" {antimagic,
                  | rC+}.
 33864 | D:14     | 33864 ||| SWAPPING to +6 heavy broad axe.
 33865 | D:14     | 33865 ||| SWAPPING to +9 broad axe "Kosum" {antimagic,
                  | rC+}.
 33866 | D:14     | 33866 ||| SWAPPING to +6 heavy broad axe.
 33867 | D:14     | 33867 ||| SWAPPING to +9 broad axe "Kosum" {antimagic,
                  | rC+}.
 33868 | D:14     | 33868 ||| SWAPPING to +6 heavy broad axe.
 33869 | D:14     | 33869 ||| SWAPPING to +9 broad axe "Kosum" {antimagic,
                  | rC+}.
 33870 | D:14     | 33870 ||| SWAPPING to +6 heavy broad axe.
 33871 | D:14     | 33871 ||| SWAPPING to +9 broad axe "Kosum" {antimagic,
                  | rC+}.
 33872 | D:14     | 33872 ||| SWAPPING to +6 heavy broad axe.
 33873 | D:14     | 33873 ||| SWAPPING to +9 broad axe "Kosum" {antimagic,
                  | rC+}.
 33874 | D:14     | 33874 ||| SWAPPING to +6 heavy broad axe.
 33875 | D:14     | 33875 ||| SWAPPING to +9 broad axe "Kosum" {antimagic,
                  | rC+}.
 33876 | D:14     | 33876 ||| SWAPPING to +6 heavy broad axe.
 33877 | D:14     | 33877 ||| SWAPPING to +9 broad axe "Kosum" {antimagic,
                  | rC+}.
 33878 | D:14     | 33878 ||| SWAPPING to +6 heavy broad axe.
 33879 | D:14     | 33879 ||| SWAPPING to +9 broad axe "Kosum" {antimagic,
                  | rC+}.
 33880 | D:14     | 33880 ||| SWAPPING to +6 heavy broad axe.
 33881 | D:14     | 33881 ||| SWAPPING to +9 broad axe "Kosum" {antimagic,
                  | rC+}.
 33882 | D:14     | 33882 ||| SWAPPING to +6 heavy broad axe.
 33883 | D:14     | 33883 ||| SWAPPING to +9 broad axe "Kosum" {antimagic,
                  | rC+}.
 33884 | D:14     | 33884 ||| SWAPPING to +6 heavy broad axe.
 33885 | D:14     | 33885 ||| SWAPPING to +9 broad axe "Kosum" {antimagic,
                  | rC+}.
 33886 | D:14     | 33886 ||| SWAPPING to +6 heavy broad axe.
 33887 | D:14     | 33887 ||| SWAPPING to +9 broad axe "Kosum" {antimagic,
                  | rC+}.
 33888 | D:14     | 33888 ||| SWAPPING to +6 heavy broad axe.
 33889 | D:14     | 33889 ||| SWAPPING to +9 broad axe "Kosum" {antimagic,
                  | rC+}.
 33890 | D:14     | 33890 ||| SWAPPING to +6 heavy broad axe.
 33891 | D:14     | 33891 ||| SWAPPING to +9 broad axe "Kosum" {antimagic,
                  | rC+}.
 33892 | D:14     | 33892 ||| SWAPPING to +6 heavy broad axe.
 33893 | D:14     | 33893 ||| SWAPPING to +9 broad axe "Kosum" {antimagic,
                  | rC+}.
 33894 | D:14     | 33894 ||| SWAPPING to +6 heavy broad axe.
 33895 | D:14     | 33895 ||| SWAPPING to +9 broad axe "Kosum" {antimagic,
                  | rC+}.
 33896 | D:14     | 33896 ||| SWAPPING to +6 heavy broad axe.
 33897 | D:14     | 33897 ||| SWAPPING to +9 broad axe "Kosum" {antimagic,
                  | rC+}.
 33898 | D:14     | 33898 ||| SWAPPING to +6 heavy broad axe.
 33899 | D:14     | 33899 ||| SWAPPING to +9 broad axe "Kosum" {antimagic,
                  | rC+}.
 33900 | D:14     | 33900 ||| SWAPPING to +6 heavy broad axe.
 33901 | D:14     | 33901 ||| SWAPPING to +9 broad axe "Kosum" {antimagic,
                  | rC+}.
 33902 | D:14     | 33902 ||| SWAPPING to +6 heavy broad axe.
 33903 | D:14     | 33903 ||| SWAPPING to +9 broad axe "Kosum" {antimagic,
                  | rC+}.
 33904 | D:14     | 33904 ||| SWAPPING to +6 heavy broad axe.
 33905 | D:14     | 33905 ||| SWAPPING to +9 broad axe "Kosum" {antimagic,
                  | rC+}.
 33906 | D:14     | 33906 ||| SWAPPING to +6 heavy broad axe.
 33907 | D:14     | 33907 ||| SWAPPING to +9 broad axe "Kosum" {antimagic,
                  | rC+}.
 33908 | D:14     | 33908 ||| SWAPPING to +6 heavy broad axe.
 33909 | D:14     | 33909 ||| SWAPPING to +9 broad axe "Kosum" {antimagic,
                  | rC+}.
 33910 | D:14     | 33910 ||| SWAPPING to +6 heavy broad axe.
 33911 | D:14     | 33911 ||| SWAPPING to +9 broad axe "Kosum" {antimagic,
                  | rC+}.
 33912 | D:14     | 33912 ||| SWAPPING to +6 heavy broad axe.
 33913 | D:14     | 33913 ||| SWAPPING to +9 broad axe "Kosum" {antimagic,
                  | rC+}.
 33914 | D:14     | 33914 ||| SWAPPING to +6 heavy broad axe.
 33915 | D:14     | 33915 ||| SWAPPING to +9 broad axe "Kosum" {antimagic,
                  | rC+}.
 33916 | D:14     | 33916 ||| SWAPPING to +6 heavy broad axe.
 33917 | D:14     | 33917 ||| SWAPPING to +9 broad axe "Kosum" {antimagic,
                  | rC+}.
 33918 | D:14     | 33918 ||| SWAPPING to +6 heavy broad axe.
 33919 | D:14     | 33919 ||| SWAPPING to +9 broad axe "Kosum" {antimagic,
                  | rC+}.
 33920 | D:14     | 33920 ||| SWAPPING to +6 heavy broad axe.
 33921 | D:14     | 33921 ||| SWAPPING to +9 broad axe "Kosum" {antimagic,
                  | rC+}.
 33922 | D:14     | 33922 ||| SWAPPING to +6 heavy broad axe.
 33923 | D:14     | 33923 ||| SWAPPING to +9 broad axe "Kosum" {antimagic,
                  | rC+}.
 33924 | D:14     | 33924 ||| SWAPPING to +6 heavy broad axe.
 33925 | D:14     | 33925 ||| SWAPPING to +9 broad axe "Kosum" {antimagic,
                  | rC+}.
 33926 | D:14     | 33926 ||| SWAPPING to +6 heavy broad axe.
 33927 | D:14     | 33927 ||| SWAPPING to +9 broad axe "Kosum" {antimagic,
                  | rC+}.
 33928 | D:14     | 33928 ||| SWAPPING to +6 heavy broad axe.
 33929 | D:14     | 33929 ||| SWAPPING to +9 broad axe "Kosum" {antimagic,
                  | rC+}.
 33930 | D:14     | 33930 ||| SWAPPING to +6 heavy broad axe.
 33931 | D:14     | 33931 ||| SWAPPING to +9 broad axe "Kosum" {antimagic,
                  | rC+}.
 33932 | D:14     | 33932 ||| SWAPPING to +6 heavy broad axe.
 33933 | D:14     | 33933 ||| SWAPPING to +9 broad axe "Kosum" {antimagic,
                  | rC+}.
 33934 | D:14     | 33934 ||| SWAPPING to +6 heavy broad axe.
 33935 | D:14     | 33935 ||| SWAPPING to +9 broad axe "Kosum" {antimagic,
                  | rC+}.
 33936 | D:14     | 33936 ||| SWAPPING to +6 heavy broad axe.
 33937 | D:14     | 33937 ||| SWAPPING to +9 broad axe "Kosum" {antimagic,
                  | rC+}.
 33938 | D:14     | 33938 ||| SWAPPING to +6 heavy broad axe.
 33939 | D:14     | 33939 ||| SWAPPING to +9 broad axe "Kosum" {antimagic,
                  | rC+}.
 33940 | D:14     | 33940 ||| SWAPPING to +6 heavy broad axe.
 33941 | D:14     | 33941 ||| SWAPPING to +9 broad axe "Kosum" {antimagic,
                  | rC+}.
 33942 | D:14     | 33942 ||| SWAPPING to +6 heavy broad axe.
 33943 | D:14     | 33943 ||| SWAPPING to +9 broad axe "Kosum" {antimagic,
                  | rC+}.
 33944 | D:14     | 33944 ||| SWAPPING to +6 heavy broad axe.
 33945 | D:14     | 33945 ||| SWAPPING to +9 broad axe "Kosum" {antimagic,
                  | rC+}.
 33946 | D:14     | 33946 ||| SWAPPING to +6 heavy broad axe.
 33947 | D:14     | 33947 ||| SWAPPING to +9 broad axe "Kosum" {antimagic,
                  | rC+}.
 33948 | D:14     | 33948 ||| SWAPPING to +6 heavy broad axe.
 33949 | D:14     | 33949 ||| SWAPPING to +9 broad axe "Kosum" {antimagic,
                  | rC+}.
 33950 | D:14     | 33950 ||| SWAPPING to +6 heavy broad axe.
 33951 | D:14     | 33951 ||| SWAPPING to +9 broad axe "Kosum" {antimagic,
                  | rC+}.
 33952 | D:14     | 33952 ||| SWAPPING to +6 heavy broad axe.
 33953 | D:14     | 33953 ||| SWAPPING to +9 broad axe "Kosum" {antimagic,
                  | rC+}.
 33954 | D:14     | 33954 ||| SWAPPING to +6 heavy broad axe.
 33955 | D:14     | 33955 ||| SWAPPING to +9 broad axe "Kosum" {antimagic,
                  | rC+}.
 33956 | D:14     | 33956 ||| SWAPPING to +6 heavy broad axe.
 33957 | D:14     | 33957 ||| SWAPPING to +9 broad axe "Kosum" {antimagic,
                  | rC+}.
 33958 | D:14     | 33958 ||| SWAPPING to +6 heavy broad axe.
 33959 | D:14     | 33959 ||| SWAPPING to +9 broad axe "Kosum" {antimagic,
                  | rC+}.
 33960 | D:14     | 33960 ||| SWAPPING to +6 heavy broad axe.
 33961 | D:14     | 33961 ||| SWAPPING to +9 broad axe "Kosum" {antimagic,
                  | rC+}.
 33962 | D:14     | 33962 ||| SWAPPING to +6 heavy broad axe.
 33963 | D:14     | 33963 ||| SWAPPING to +9 broad axe "Kosum" {antimagic,
                  | rC+}.
 33964 | D:14     | 33964 ||| SWAPPING to +6 heavy broad axe.
 33965 | D:14     | 33965 ||| SWAPPING to +9 broad axe "Kosum" {antimagic,
                  | rC+}.
 33966 | D:14     | 33966 ||| SWAPPING to +6 heavy broad axe.
 33967 | D:14     | 33967 ||| SWAPPING to +9 broad axe "Kosum" {antimagic,
                  | rC+}.
 33968 | D:14     | 33968 ||| SWAPPING to +6 heavy broad axe.
 33969 | D:14     | 33969 ||| SWAPPING to +9 broad axe "Kosum" {antimagic,
                  | rC+}.
 33970 | D:14     | 33970 ||| SWAPPING to +6 heavy broad axe.
 33971 | D:14     | 33971 ||| SWAPPING to +9 broad axe "Kosum" {antimagic,
                  | rC+}.
 33972 | D:14     | 33972 ||| SWAPPING to +6 heavy broad axe.
 33973 | D:14     | 33973 ||| SWAPPING to +9 broad axe "Kosum" {antimagic,
                  | rC+}.
 33974 | D:14     | 33974 ||| SWAPPING to +6 heavy broad axe.
 33975 | D:14     | 33975 ||| SWAPPING to +9 broad axe "Kosum" {antimagic,
                  | rC+}.
 33976 | D:14     | 33976 ||| SWAPPING to +6 heavy broad axe.
 33977 | D:14     | 33977 ||| SWAPPING to +9 broad axe "Kosum" {antimagic,
                  | rC+}.
 33978 | D:14     | 33978 ||| SWAPPING to +6 heavy broad axe.
 33979 | D:14     | 33979 ||| SWAPPING to +9 broad axe "Kosum" {antimagic,
                  | rC+}.
 33980 | D:14     | 33980 ||| SWAPPING to +6 heavy broad axe.
 33981 | D:14     | 33981 ||| SWAPPING to +9 broad axe "Kosum" {antimagic,
                  | rC+}.
 33982 | D:14     | 33982 ||| SWAPPING to +6 heavy broad axe.
 33983 | D:14     | 33983 ||| SWAPPING to +9 broad axe "Kosum" {antimagic,
                  | rC+}.
 33984 | D:14     | 33984 ||| SWAPPING to +6 heavy broad axe.
 33985 | D:14     | 33985 ||| SWAPPING to +9 broad axe "Kosum" {antimagic,
                  | rC+}.
 33986 | D:14     | 33986 ||| SWAPPING to +6 heavy broad axe.
 33987 | D:14     | 33987 ||| SWAPPING to +9 broad axe "Kosum" {antimagic,
                  | rC+}.
 33988 | D:14     | 33988 ||| SWAPPING to +6 heavy broad axe.
 33989 | D:14     | 33989 ||| SWAPPING to +9 broad axe "Kosum" {antimagic,
                  | rC+}.
 33990 | D:14     | 33990 ||| SWAPPING to +6 heavy broad axe.
 33991 | D:14     | 33991 ||| SWAPPING to +9 broad axe "Kosum" {antimagic,
                  | rC+}.
 33992 | D:14     | 33992 ||| SWAPPING to +6 heavy broad axe.
 33993 | D:14     | 33993 ||| SWAPPING to +9 broad axe "Kosum" {antimagic,
                  | rC+}.
 33994 | D:14     | 33994 ||| SWAPPING to +6 heavy broad axe.
 33995 | D:14     | 33995 ||| SWAPPING to +9 broad axe "Kosum" {antimagic,
                  | rC+}.
 33996 | D:14     | 33996 ||| SWAPPING to +6 heavy broad axe.
 33997 | D:14     | 33997 ||| SWAPPING to +9 broad axe "Kosum" {antimagic,
                  | rC+}.
 33998 | D:14     | 33998 ||| SWAPPING to +6 heavy broad axe.
 33999 | D:14     | 33999 ||| SWAPPING to +9 broad axe "Kosum" {antimagic,
                  | rC+}.
 34000 | D:14     | 34000 ||| SWAPPING to +6 heavy broad axe.
 34001 | D:14     | 34001 ||| SWAPPING to +9 broad axe "Kosum" {antimagic,
                  | rC+}.
 34002 | D:14     | 34002 ||| SWAPPING to +6 heavy broad axe.
 34003 | D:14     | 34003 ||| SWAPPING to +9 broad axe "Kosum" {antimagic,
                  | rC+}.
 34004 | D:14     | 34004 ||| SWAPPING to +6 heavy broad axe.
 34005 | D:14     | 34005 ||| SWAPPING to +9 broad axe "Kosum" {antimagic,
                  | rC+}.
 34006 | D:14     | 34006 ||| SWAPPING to +6 heavy broad axe.
 34007 | D:14     | 34007 ||| SWAPPING to +9 broad axe "Kosum" {antimagic,
                  | rC+}.
 34008 | D:14     | 34008 ||| SWAPPING to +6 heavy broad axe.
 34009 | D:14     | 34009 ||| SWAPPING to +9 broad axe "Kosum" {antimagic,
                  | rC+}.
 34010 | D:14     | 34010 ||| SWAPPING to +6 heavy broad axe.
 34011 | D:14     | 34011 ||| SWAPPING to +9 broad axe "Kosum" {antimagic,
                  | rC+}.
 34012 | D:14     | 34012 ||| SWAPPING to +6 heavy broad axe.
 34013 | D:14     | 34013 ||| SWAPPING to +9 broad axe "Kosum" {antimagic,
                  | rC+}.
 34014 | D:14     | 34014 ||| SWAPPING to +6 heavy broad axe.
 34015 | D:14     | 34015 ||| SWAPPING to +9 broad axe "Kosum" {antimagic,
                  | rC+}.
 34016 | D:14     | 34016 ||| SWAPPING to +6 heavy broad axe.
 34017 | D:14     | 34017 ||| SWAPPING to +9 broad axe "Kosum" {antimagic,
                  | rC+}.
 34018 | D:14     | 34018 ||| SWAPPING to +6 heavy broad axe.
 34019 | D:14     | 34019 ||| SWAPPING to +9 broad axe "Kosum" {antimagic,
                  | rC+}.
 34020 | D:14     | 34020 ||| SWAPPING to +6 heavy broad axe.
 34021 | D:14     | 34021 ||| SWAPPING to +9 broad axe "Kosum" {antimagic,
                  | rC+}.
 34022 | D:14     | 34022 ||| SWAPPING to +6 heavy broad axe.
 34023 | D:14     | 34023 ||| SWAPPING to +9 broad axe "Kosum" {antimagic,
                  | rC+}.
 34024 | D:14     | 34024 ||| SWAPPING to +6 heavy broad axe.
 34025 | D:14     | 34025 ||| SWAPPING to +9 broad axe "Kosum" {antimagic,
                  | rC+}.
 34026 | D:14     | 34026 ||| SWAPPING to +6 heavy broad axe.
 34027 | D:14     | 34027 ||| SWAPPING to +9 broad axe "Kosum" {antimagic,
                  | rC+}.
 34028 | D:14     | 34028 ||| SWAPPING to +6 heavy broad axe.
 34029 | D:14     | 34029 ||| SWAPPING to +9 broad axe "Kosum" {antimagic,
                  | rC+}.
 34030 | D:14     | 34030 ||| SWAPPING to +6 heavy broad axe.
 34031 | D:14     | 34031 ||| SWAPPING to +9 broad axe "Kosum" {antimagic,
                  | rC+}.
 34032 | D:14     | 34032 ||| SWAPPING to +6 heavy broad axe.
 34033 | D:14     | 34033 ||| SWAPPING to +9 broad axe "Kosum" {antimagic,
                  | rC+}.
 34034 | D:14     | 34034 ||| SWAPPING to +6 heavy broad axe.
 34035 | D:14     | 34035 ||| SWAPPING to +9 broad axe "Kosum" {antimagic,
                  | rC+}.
 34036 | D:14     | 34036 ||| SWAPPING to +6 heavy broad axe.
 34037 | D:14     | 34037 ||| SWAPPING to +9 broad axe "Kosum" {antimagic,
                  | rC+}.
 34038 | D:14     | 34038 ||| SWAPPING to +6 heavy broad axe.
 34039 | D:14     | 34039 ||| SWAPPING to +9 broad axe "Kosum" {antimagic,
                  | rC+}.
 34040 | D:14     | 34040 ||| SWAPPING to +6 heavy broad axe.
 34041 | D:14     | 34041 ||| SWAPPING to +9 broad axe "Kosum" {antimagic,
                  | rC+}.
 34042 | D:14     | 34042 ||| SWAPPING to +6 heavy broad axe.
 34043 | D:14     | 34043 ||| SWAPPING to +9 broad axe "Kosum" {antimagic,
                  | rC+}.
 34044 | D:14     | 34044 ||| SWAPPING to +6 heavy broad axe.
 34045 | D:14     | 34045 ||| SWAPPING to +9 broad axe "Kosum" {antimagic,
                  | rC+}.
 34046 | D:14     | 34046 ||| SWAPPING to +6 heavy broad axe.
 34047 | D:14     | 34047 ||| SWAPPING to +9 broad axe "Kosum" {antimagic,
                  | rC+}.
 34048 | D:14     | 34048 ||| SWAPPING to +6 heavy broad axe.
 34049 | D:14     | 34049 ||| SWAPPING to +9 broad axe "Kosum" {antimagic,
                  | rC+}.
 34050 | D:14     | 34050 ||| SWAPPING to +6 heavy broad axe.
 34051 | D:14     | 34051 ||| SWAPPING to +9 broad axe "Kosum" {antimagic,
                  | rC+}.
 34052 | D:14     | 34052 ||| SWAPPING to +6 heavy broad axe.
 34053 | D:14     | 34053 ||| SWAPPING to +9 broad axe "Kosum" {antimagic,
                  | rC+}.
 34054 | D:14     | 34054 ||| SWAPPING to +6 heavy broad axe.
 34055 | D:14     | 34055 ||| SWAPPING to +9 broad axe "Kosum" {antimagic,
                  | rC+}.
 34056 | D:14     | 34056 ||| SWAPPING to +6 heavy broad axe.
 34057 | D:14     | 34057 ||| SWAPPING to +9 broad axe "Kosum" {antimagic,
                  | rC+}.
 34058 | D:14     | 34058 ||| SWAPPING to +6 heavy broad axe.
 34059 | D:14     | 34059 ||| SWAPPING to +9 broad axe "Kosum" {antimagic,
                  | rC+}.
 34060 | D:14     | 34060 ||| SWAPPING to +6 heavy broad axe.
 34061 | D:14     | 34061 ||| SWAPPING to +9 broad axe "Kosum" {antimagic,
                  | rC+}.
 34062 | D:14     | 34062 ||| SWAPPING to +6 heavy broad axe.
 34063 | D:14     | 34063 ||| SWAPPING to +9 broad axe "Kosum" {antimagic,
                  | rC+}.
 34064 | D:14     | 34064 ||| SWAPPING to +6 heavy broad axe.
 34065 | D:14     | 34065 ||| SWAPPING to +9 broad axe "Kosum" {antimagic,
                  | rC+}.
 34066 | D:14     | 34066 ||| SWAPPING to +6 heavy broad axe.
 34067 | D:14     | 34067 ||| SWAPPING to +9 broad axe "Kosum" {antimagic,
                  | rC+}.
 34068 | D:14     | 34068 ||| SWAPPING to +6 heavy broad axe.
 34069 | D:14     | 34069 ||| SWAPPING to +9 broad axe "Kosum" {antimagic,
                  | rC+}.
 34070 | D:14     | 34070 ||| SWAPPING to +6 heavy broad axe.
 34071 | D:14     | 34071 ||| SWAPPING to +9 broad axe "Kosum" {antimagic,
                  | rC+}.
 34072 | D:14     | 34072 ||| SWAPPING to +6 heavy broad axe.
 34073 | D:14     | 34073 ||| SWAPPING to +9 broad axe "Kosum" {antimagic,
                  | rC+}.
 34074 | D:14     | 34074 ||| SWAPPING to +6 heavy broad axe.
 34075 | D:14     | 34075 ||| SWAPPING to +9 broad axe "Kosum" {antimagic,
                  | rC+}.
 34076 | D:14     | 34076 ||| SWAPPING to +6 heavy broad axe.
 34077 | D:14     | 34077 ||| SWAPPING to +9 broad axe "Kosum" {antimagic,
                  | rC+}.
 34078 | D:14     | 34078 ||| SWAPPING to +6 heavy broad axe.
 34079 | D:14     | 34079 ||| SWAPPING to +9 broad axe "Kosum" {antimagic,
                  | rC+}.
 34080 | D:14     | 34080 ||| SWAPPING to +6 heavy broad axe.
 34081 | D:14     | 34081 ||| SWAPPING to +9 broad axe "Kosum" {antimagic,
                  | rC+}.
 34082 | D:14     | 34082 ||| SWAPPING to +6 heavy broad axe.
 34083 | D:14     | 34083 ||| SWAPPING to +9 broad axe "Kosum" {antimagic,
                  | rC+}.
 34084 | D:14     | 34084 ||| SWAPPING to +6 heavy broad axe.
 34085 | D:14     | 34085 ||| SWAPPING to +9 broad axe "Kosum" {antimagic,
                  | rC+}.
 34086 | D:14     | 34086 ||| SWAPPING to +6 heavy broad axe.
 34087 | D:14     | 34087 ||| SWAPPING to +9 broad axe "Kosum" {antimagic,
                  | rC+}.
 34088 | D:14     | 34088 ||| SWAPPING to +6 heavy broad axe.
 34089 | D:14     | 34089 ||| SWAPPING to +9 broad axe "Kosum" {antimagic,
                  | rC+}.
 34090 | D:14     | 34090 ||| SWAPPING to +6 heavy broad axe.
 34091 | D:14     | 34091 ||| SWAPPING to +9 broad axe "Kosum" {antimagic,
                  | rC+}.
 34092 | D:14     | 34092 ||| SWAPPING to +6 heavy broad axe.
 34093 | D:14     | 34093 ||| SWAPPING to +9 broad axe "Kosum" {antimagic,
                  | rC+}.
 34094 | D:14     | 34094 ||| SWAPPING to +6 heavy broad axe.
 34095 | D:14     | 34095 ||| SWAPPING to +9 broad axe "Kosum" {antimagic,
                  | rC+}.
 34096 | D:14     | 34096 ||| SWAPPING to +6 heavy broad axe.
 34097 | D:14     | 34097 ||| SWAPPING to +9 broad axe "Kosum" {antimagic,
                  | rC+}.
 34098 | D:14     | 34098 ||| SWAPPING to +6 heavy broad axe.
 34099 | D:14     | 34099 ||| SWAPPING to +9 broad axe "Kosum" {antimagic,
                  | rC+}.
 34100 | D:14     | 34100 ||| SWAPPING to +6 heavy broad axe.
 34101 | D:14     | 34101 ||| SWAPPING to +9 broad axe "Kosum" {antimagic,
                  | rC+}.
 34102 | D:14     | 34102 ||| SWAPPING to +6 heavy broad axe.
 34103 | D:14     | 34103 ||| SWAPPING to +9 broad axe "Kosum" {antimagic,
                  | rC+}.
 34104 | D:14     | 34104 ||| SWAPPING to +6 heavy broad axe.
 34105 | D:14     | 34105 ||| SWAPPING to +9 broad axe "Kosum" {antimagic,
                  | rC+}.
 34106 | D:14     | 34106 ||| SWAPPING to +6 heavy broad axe.
 34107 | D:14     | 34107 ||| SWAPPING to +9 broad axe "Kosum" {antimagic,
                  | rC+}.
 34108 | D:14     | 34108 ||| SWAPPING to +6 heavy broad axe.
 34109 | D:14     | 34109 ||| SWAPPING to +9 broad axe "Kosum" {antimagic,
                  | rC+}.
 34110 | D:14     | 34110 ||| SWAPPING to +6 heavy broad axe.
 34111 | D:14     | 34111 ||| SWAPPING to +9 broad axe "Kosum" {antimagic,
                  | rC+}.
 34112 | D:14     | 34112 ||| SWAPPING to +6 heavy broad axe.
 34113 | D:14     | 34113 ||| SWAPPING to +9 broad axe "Kosum" {antimagic,
                  | rC+}.
 34114 | D:14     | 34114 ||| SWAPPING to +6 heavy broad axe.
 34115 | D:14     | 34115 ||| SWAPPING to +9 broad axe "Kosum" {antimagic,
                  | rC+}.
 34116 | D:14     | 34116 ||| SWAPPING to +6 heavy broad axe.
 34117 | D:14     | 34117 ||| SWAPPING to +9 broad axe "Kosum" {antimagic,
                  | rC+}.
 34118 | D:14     | 34118 ||| SWAPPING to +6 heavy broad axe.
 34119 | D:14     | 34119 ||| SWAPPING to +9 broad axe "Kosum" {antimagic,
                  | rC+}.
 34120 | D:14     | 34120 ||| SWAPPING to +6 heavy broad axe.
 34121 | D:14     | 34121 ||| SWAPPING to +9 broad axe "Kosum" {antimagic,
                  | rC+}.
 34122 | D:14     | 34122 ||| SWAPPING to +6 heavy broad axe.
 34123 | D:14     | 34123 ||| SWAPPING to +9 broad axe "Kosum" {antimagic,
                  | rC+}.
 34124 | D:14     | 34124 ||| SWAPPING to +6 heavy broad axe.
 34125 | D:14     | 34125 ||| SWAPPING to +9 broad axe "Kosum" {antimagic,
                  | rC+}.
 34126 | D:14     | 34126 ||| SWAPPING to +6 heavy broad axe.
 34127 | D:14     | 34127 ||| SWAPPING to +9 broad axe "Kosum" {antimagic,
                  | rC+}.
 34128 | D:14     | 34128 ||| SWAPPING to +6 heavy broad axe.
 34129 | D:14     | 34129 ||| SWAPPING to +9 broad axe "Kosum" {antimagic,
                  | rC+}.
 34130 | D:14     | 34130 ||| SWAPPING to +6 heavy broad axe.
 34131 | D:14     | 34131 ||| SWAPPING to +9 broad axe "Kosum" {antimagic,
                  | rC+}.
 34132 | D:14     | 34132 ||| SWAPPING to +6 heavy broad axe.
 34133 | D:14     | 34133 ||| SWAPPING to +9 broad axe "Kosum" {antimagic,
                  | rC+}.
 34134 | D:14     | 34134 ||| SWAPPING to +6 heavy broad axe.
 34135 | D:14     | 34135 ||| SWAPPING to +9 broad axe "Kosum" {antimagic,
                  | rC+}.
 34136 | D:14     | 34136 ||| SWAPPING to +6 heavy broad axe.
 34137 | D:14     | 34137 ||| SWAPPING to +9 broad axe "Kosum" {antimagic,
                  | rC+}.
 34138 | D:14     | 34138 ||| SWAPPING to +6 heavy broad axe.
 34139 | D:14     | 34139 ||| SWAPPING to +9 broad axe "Kosum" {antimagic,
                  | rC+}.
 34140 | D:14     | 34140 ||| SWAPPING to +6 heavy broad axe.
 34141 | D:14     | 34141 ||| SWAPPING to +9 broad axe "Kosum" {antimagic,
                  | rC+}.
 34142 | D:14     | 34142 ||| SWAPPING to +6 heavy broad axe.
 34143 | D:14     | 34143 ||| SWAPPING to +9 broad axe "Kosum" {antimagic,
                  | rC+}.
 34144 | D:14     | 34144 ||| SWAPPING to +6 heavy broad axe.
 34145 | D:14     | 34145 ||| SWAPPING to +9 broad axe "Kosum" {antimagic,
                  | rC+}.
 34146 | D:14     | 34146 ||| SWAPPING to +6 heavy broad axe.
 34147 | D:14     | 34147 ||| SWAPPING to +9 broad axe "Kosum" {antimagic,
                  | rC+}.
 34148 | D:14     | 34148 ||| SWAPPING to +6 heavy broad axe.
 34149 | D:14     | 34149 ||| SWAPPING to +9 broad axe "Kosum" {antimagic,
                  | rC+}.
 34150 | D:14     | 34150 ||| SWAPPING to +6 heavy broad axe.
 34151 | D:14     | 34151 ||| SWAPPING to +9 broad axe "Kosum" {antimagic,
                  | rC+}.
 34152 | D:14     | 34152 ||| SWAPPING to +6 heavy broad axe.
 34153 | D:14     | 34153 ||| SWAPPING to +9 broad axe "Kosum" {antimagic,
                  | rC+}.
 34154 | D:14     | 34154 ||| SWAPPING to +6 heavy broad axe.
 34155 | D:14     | 34155 ||| SWAPPING to +9 broad axe "Kosum" {antimagic,
                  | rC+}.
 34156 | D:14     | 34156 ||| SWAPPING to +6 heavy broad axe.
 34157 | D:14     | 34157 ||| SWAPPING to +9 broad axe "Kosum" {antimagic,
                  | rC+}.
 34158 | D:14     | 34158 ||| SWAPPING to +6 heavy broad axe.
 34159 | D:14     | 34159 ||| SWAPPING to +9 broad axe "Kosum" {antimagic,
                  | rC+}.
 34160 | D:14     | 34160 ||| SWAPPING to +6 heavy broad axe.
 34161 | D:14     | 34161 ||| SWAPPING to +9 broad axe "Kosum" {antimagic,
                  | rC+}.
 34162 | D:14     | 34162 ||| SWAPPING to +6 heavy broad axe.
 34163 | D:14     | 34163 ||| SWAPPING to +9 broad axe "Kosum" {antimagic,
                  | rC+}.
 34164 | D:14     | 34164 ||| SWAPPING to +6 heavy broad axe.
 34165 | D:14     | 34165 ||| SWAPPING to +9 broad axe "Kosum" {antimagic,
                  | rC+}.
 34166 | D:14     | 34166 ||| SWAPPING to +6 heavy broad axe.
 34167 | D:14     | 34167 ||| SWAPPING to +9 broad axe "Kosum" {antimagic,
                  | rC+}.
 34168 | D:14     | 34168 ||| SWAPPING to +6 heavy broad axe.
 34169 | D:14     | 34169 ||| SWAPPING to +9 broad axe "Kosum" {antimagic,
                  | rC+}.
 34170 | D:14     | 34170 ||| SWAPPING to +6 heavy broad axe.
 34171 | D:14     | 34171 ||| SWAPPING to +9 broad axe "Kosum" {antimagic,
                  | rC+}.
 34172 | D:14     | 34172 ||| SWAPPING to +6 heavy broad axe.
 34173 | D:14     | 34173 ||| SWAPPING to +9 broad axe "Kosum" {antimagic,
                  | rC+}.
 34174 | D:14     | 34174 ||| SWAPPING to +6 heavy broad axe.
 34175 | D:14     | 34175 ||| SWAPPING to +9 broad axe "Kosum" {antimagic,
                  | rC+}.
 34176 | D:14     | 34176 ||| SWAPPING to +6 heavy broad axe.
 34177 | D:14     | 34177 ||| SWAPPING to +9 broad axe "Kosum" {antimagic,
                  | rC+}.
 34178 | D:14     | 34178 ||| SWAPPING to +6 heavy broad axe.
 34179 | D:14     | 34179 ||| SWAPPING to +9 broad axe "Kosum" {antimagic,
                  | rC+}.
 34180 | D:14     | 34180 ||| SWAPPING to +6 heavy broad axe.
 34181 | D:14     | 34181 ||| SWAPPING to +9 broad axe "Kosum" {antimagic,
                  | rC+}.
 34182 | D:14     | 34182 ||| SWAPPING to +6 heavy broad axe.
 34183 | D:14     | 34183 ||| SWAPPING to +9 broad axe "Kosum" {antimagic,
                  | rC+}.
 34184 | D:14     | 34184 ||| SWAPPING to +6 heavy broad axe.
 34185 | D:14     | 34185 ||| SWAPPING to +9 broad axe "Kosum" {antimagic,
                  | rC+}.
 34186 | D:14     | 34186 ||| SWAPPING to +6 heavy broad axe.
 34187 | D:14     | 34187 ||| SWAPPING to +9 broad axe "Kosum" {antimagic,
                  | rC+}.
 34188 | D:14     | 34188 ||| SWAPPING to +6 heavy broad axe.
 34189 | D:14     | 34189 ||| SWAPPING to +9 broad axe "Kosum" {antimagic,
                  | rC+}.
 34190 | D:14     | 34190 ||| SWAPPING to +6 heavy broad axe.
 34191 | D:14     | 34191 ||| SWAPPING to +9 broad axe "Kosum" {antimagic,
                  | rC+}.
 34192 | D:14     | 34192 ||| SWAPPING to +6 heavy broad axe.
 34193 | D:14     | 34193 ||| SWAPPING to +9 broad axe "Kosum" {antimagic,
                  | rC+}.
 34194 | D:14     | 34194 ||| SWAPPING to +6 heavy broad axe.
 34195 | D:14     | 34195 ||| SWAPPING to +9 broad axe "Kosum" {antimagic,
                  | rC+}.
 34196 | D:14     | 34196 ||| SWAPPING to +6 heavy broad axe.
 34197 | D:14     | 34197 ||| SWAPPING to +9 broad axe "Kosum" {antimagic,
                  | rC+}.
 34198 | D:14     | 34198 ||| SWAPPING to +6 heavy broad axe.
 34199 | D:14     | 34199 ||| SWAPPING to +9 broad axe "Kosum" {antimagic,
                  | rC+}.
 34200 | D:14     | 34200 ||| SWAPPING to +6 heavy broad axe.
 34201 | D:14     | 34201 ||| SWAPPING to +9 broad axe "Kosum" {antimagic,
                  | rC+}.
 34202 | D:14     | 34202 ||| SWAPPING to +6 heavy broad axe.
 34203 | D:14     | 34203 ||| SWAPPING to +9 broad axe "Kosum" {antimagic,
                  | rC+}.
 34204 | D:14     | 34204 ||| SWAPPING to +6 heavy broad axe.
 34205 | D:14     | 34205 ||| SWAPPING to +9 broad axe "Kosum" {antimagic,
                  | rC+}.
 34206 | D:14     | 34206 ||| SWAPPING to +6 heavy broad axe.
 34207 | D:14     | 34207 ||| SWAPPING to +9 broad axe "Kosum" {antimagic,
                  | rC+}.
 34208 | D:14     | 34208 ||| SWAPPING to +6 heavy broad axe.
 34209 | D:14     | 34209 ||| SWAPPING to +9 broad axe "Kosum" {antimagic,
                  | rC+}.
 34210 | D:14     | 34210 ||| SWAPPING to +6 heavy broad axe.
 34211 | D:14     | 34211 ||| SWAPPING to +9 broad axe "Kosum" {antimagic,
                  | rC+}.
 34212 | D:14     | 34212 ||| SWAPPING to +6 heavy broad axe.
 34213 | D:14     | 34213 ||| SWAPPING to +9 broad axe "Kosum" {antimagic,
                  | rC+}.
 34214 | D:14     | 34214 ||| SWAPPING to +6 heavy broad axe.
 34215 | D:14     | 34215 ||| SWAPPING to +9 broad axe "Kosum" {antimagic,
                  | rC+}.
 34216 | D:14     | 34216 ||| SWAPPING to +6 heavy broad axe.
 34217 | D:14     | 34217 ||| SWAPPING to +9 broad axe "Kosum" {antimagic,
                  | rC+}.
 34218 | D:14     | 34218 ||| SWAPPING to +6 heavy broad axe.
 34219 | D:14     | 34219 ||| SWAPPING to +9 broad axe "Kosum" {antimagic,
                  | rC+}.
 34220 | D:14     | 34220 ||| SWAPPING to +6 heavy broad axe.
 34221 | D:14     | 34221 ||| SWAPPING to +9 broad axe "Kosum" {antimagic,
                  | rC+}.
 34222 | D:14     | 34222 ||| SWAPPING to +6 heavy broad axe.
 34223 | D:14     | 34223 ||| SWAPPING to +9 broad axe "Kosum" {antimagic,
                  | rC+}.
 34224 | D:14     | 34224 ||| SWAPPING to +6 heavy broad axe.
 34225 | D:14     | 34225 ||| SWAPPING to +9 broad axe "Kosum" {antimagic,
                  | rC+}.
 34226 | D:14     | 34226 ||| SWAPPING to +6 heavy broad axe.
 34227 | D:14     | 34227 ||| SWAPPING to +9 broad axe "Kosum" {antimagic,
                  | rC+}.
 34228 | D:14     | 34228 ||| SWAPPING to +6 heavy broad axe.
 34229 | D:14     | 34229 ||| SWAPPING to +9 broad axe "Kosum" {antimagic,
                  | rC+}.
 34230 | D:14     | 34230 ||| SWAPPING to +6 heavy broad axe.
 34231 | D:14     | 34231 ||| SWAPPING to +9 broad axe "Kosum" {antimagic,
                  | rC+}.
 34232 | D:14     | 34232 ||| SWAPPING to +6 heavy broad axe.
 34233 | D:14     | 34233 ||| SWAPPING to +9 broad axe "Kosum" {antimagic,
                  | rC+}.
 34234 | D:14     | 34234 ||| SWAPPING to +6 heavy broad axe.
 34235 | D:14     | 34235 ||| SWAPPING to +9 broad axe "Kosum" {antimagic,
                  | rC+}.
 34236 | D:14     | 34236 ||| SWAPPING to +6 heavy broad axe.
 34237 | D:14     | 34237 ||| SWAPPING to +9 broad axe "Kosum" {antimagic,
                  | rC+}.
 34238 | D:14     | 34238 ||| SWAPPING to +6 heavy broad axe.
 34239 | D:14     | 34239 ||| SWAPPING to +9 broad axe "Kosum" {antimagic,
                  | rC+}.
 34240 | D:14     | 34240 ||| SWAPPING to +6 heavy broad axe.
 34241 | D:14     | 34241 ||| SWAPPING to +9 broad axe "Kosum" {antimagic,
                  | rC+}.
 34242 | D:14     | 34242 ||| SWAPPING to +6 heavy broad axe.
 34243 | D:14     | 34243 ||| SWAPPING to +9 broad axe "Kosum" {antimagic,
                  | rC+}.
 34244 | D:14     | 34244 ||| SWAPPING to +6 heavy broad axe.
 34245 | D:14     | 34245 ||| SWAPPING to +9 broad axe "Kosum" {antimagic,
                  | rC+}.
 34246 | D:14     | 34246 ||| SWAPPING to +6 heavy broad axe.
 34247 | D:14     | 34247 ||| SWAPPING to +9 broad axe "Kosum" {antimagic,
                  | rC+}.
 34248 | D:14     | 34248 ||| SWAPPING to +6 heavy broad axe.
 34249 | D:14     | 34249 ||| SWAPPING to +9 broad axe "Kosum" {antimagic,
                  | rC+}.
 34250 | D:14     | 34250 ||| SWAPPING to +6 heavy broad axe.
 34251 | D:14     | 34251 ||| SWAPPING to +9 broad axe "Kosum" {antimagic,
                  | rC+}.
 34252 | D:14     | 34252 ||| SWAPPING to +6 heavy broad axe.
 34253 | D:14     | 34253 ||| SWAPPING to +9 broad axe "Kosum" {antimagic,
                  | rC+}.
 34254 | D:14     | 34254 ||| SWAPPING to +6 heavy broad axe.
 34255 | D:14     | 34255 ||| SWAPPING to +9 broad axe "Kosum" {antimagic,
                  | rC+}.
 34256 | D:14     | 34256 ||| SWAPPING to +6 heavy broad axe.
 34257 | D:14     | 34257 ||| SWAPPING to +9 broad axe "Kosum" {antimagic,
                  | rC+}.
 34258 | D:14     | 34258 ||| SWAPPING to +6 heavy broad axe.
 34259 | D:14     | 34259 ||| SWAPPING to +9 broad axe "Kosum" {antimagic,
                  | rC+}.
 34260 | D:14     | 34260 ||| SWAPPING to +6 heavy broad axe.
 34261 | D:14     | 34261 ||| SWAPPING to +9 broad axe "Kosum" {antimagic,
                  | rC+}.
 34262 | D:14     | 34262 ||| SWAPPING to +6 heavy broad axe.
 34263 | D:14     | 34263 ||| SWAPPING to +9 broad axe "Kosum" {antimagic,
                  | rC+}.
 34264 | D:14     | 34264 ||| SWAPPING to +6 heavy broad axe.
 34265 | D:14     | 34265 ||| SWAPPING to +9 broad axe "Kosum" {antimagic,
                  | rC+}.
 34266 | D:14     | 34266 ||| SWAPPING to +6 heavy broad axe.
 34267 | D:14     | 34267 ||| SWAPPING to +9 broad axe "Kosum" {antimagic,
                  | rC+}.
 34268 | D:14     | 34268 ||| SWAPPING to +6 heavy broad axe.
 34269 | D:14     | 34269 ||| SWAPPING to +9 broad axe "Kosum" {antimagic,
                  | rC+}.
 34270 | D:14     | 34270 ||| SWAPPING to +6 heavy broad axe.
 34271 | D:14     | 34271 ||| SWAPPING to +9 broad axe "Kosum" {antimagic,
                  | rC+}.
 34272 | D:14     | 34272 ||| SWAPPING to +6 heavy broad axe.
 34273 | D:14     | 34273 ||| SWAPPING to +9 broad axe "Kosum" {antimagic,
                  | rC+}.
 34274 | D:14     | 34274 ||| SWAPPING to +6 heavy broad axe.
 34275 | D:14     | 34275 ||| SWAPPING to +9 broad axe "Kosum" {antimagic,
                  | rC+}.
 34276 | D:14     | 34276 ||| SWAPPING to +6 heavy broad axe.
 34277 | D:14     | 34277 ||| SWAPPING to +9 broad axe "Kosum" {antimagic,
                  | rC+}.
 34278 | D:14     | 34278 ||| SWAPPING to +6 heavy broad axe.
 34279 | D:14     | 34279 ||| SWAPPING to +9 broad axe "Kosum" {antimagic,
                  | rC+}.
 34280 | D:14     | 34280 ||| SWAPPING to +6 heavy broad axe.
 34281 | D:14     | 34281 ||| SWAPPING to +9 broad axe "Kosum" {antimagic,
                  | rC+}.
 34282 | D:14     | 34282 ||| SWAPPING to +6 heavy broad axe.
 34283 | D:14     | 34283 ||| SWAPPING to +9 broad axe "Kosum" {antimagic,
                  | rC+}.
 34284 | D:14     | 34284 ||| SWAPPING to +6 heavy broad axe.
 34285 | D:14     | 34285 ||| SWAPPING to +9 broad axe "Kosum" {antimagic,
                  | rC+}.
 34286 | D:14     | 34286 ||| SWAPPING to +6 heavy broad axe.
 34287 | D:14     | 34287 ||| SWAPPING to +9 broad axe "Kosum" {antimagic,
                  | rC+}.
 34288 | D:14     | 34288 ||| SWAPPING to +6 heavy broad axe.
 34289 | D:14     | 34289 ||| SWAPPING to +9 broad axe "Kosum" {antimagic,
                  | rC+}.
 34290 | D:14     | 34290 ||| SWAPPING to +6 heavy broad axe.
 34291 | D:14     | 34291 ||| SWAPPING to +9 broad axe "Kosum" {antimagic,
                  | rC+}.
 34292 | D:14     | 34292 ||| SWAPPING to +6 heavy broad axe.
 34293 | D:14     | 34293 ||| SWAPPING to +9 broad axe "Kosum" {antimagic,
                  | rC+}.
 34294 | D:14     | 34294 ||| SWAPPING to +6 heavy broad axe.
 34295 | D:14     | 34295 ||| SWAPPING to +9 broad axe "Kosum" {antimagic,
                  | rC+}.
 34296 | D:14     | 34296 ||| SWAPPING to +6 heavy broad axe.
 34297 | D:14     | 34297 ||| SWAPPING to +9 broad axe "Kosum" {antimagic,
                  | rC+}.
 34298 | D:14     | 34298 ||| SWAPPING to +6 heavy broad axe.
 34299 | D:14     | 34299 ||| SWAPPING to +9 broad axe "Kosum" {antimagic,
                  | rC+}.
 34300 | D:14     | 34300 ||| SWAPPING to +6 heavy broad axe.
 34301 | D:14     | 34301 ||| SWAPPING to +9 broad axe "Kosum" {antimagic,
                  | rC+}.
 34302 | D:14     | 34302 ||| SWAPPING to +6 heavy broad axe.
 34303 | D:14     | 34303 ||| SWAPPING to +9 broad axe "Kosum" {antimagic,
                  | rC+}.
 34304 | D:14     | 34304 ||| SWAPPING to +6 heavy broad axe.
 34305 | D:14     | 34305 ||| SWAPPING to +9 broad axe "Kosum" {antimagic,
                  | rC+}.
 34306 | D:14     | 34306 ||| SWAPPING to +6 heavy broad axe.
 34307 | D:14     | 34307 ||| SWAPPING to +9 broad axe "Kosum" {antimagic,
                  | rC+}.
 34308 | D:14     | 34308 ||| SWAPPING to +6 heavy broad axe.
 34309 | D:14     | 34309 ||| SWAPPING to +9 broad axe "Kosum" {antimagic,
                  | rC+}.
 34310 | D:14     | 34310 ||| SWAPPING to +6 heavy broad axe.
 34311 | D:14     | 34311 ||| SWAPPING to +9 broad axe "Kosum" {antimagic,
                  | rC+}.
 34312 | D:14     | 34312 ||| SWAPPING to +6 heavy broad axe.
 34313 | D:14     | 34313 ||| SWAPPING to +9 broad axe "Kosum" {antimagic,
                  | rC+}.
 34314 | D:14     | 34314 ||| SWAPPING to +6 heavy broad axe.
 34315 | D:14     | 34315 ||| SWAPPING to +9 broad axe "Kosum" {antimagic,
                  | rC+}.
 34316 | D:14     | 34316 ||| SWAPPING to +6 heavy broad axe.
 34317 | D:14     | 34317 ||| SWAPPING to +9 broad axe "Kosum" {antimagic,
                  | rC+}.
 34318 | D:14     | 34318 ||| SWAPPING to +6 heavy broad axe.
 34319 | D:14     | 34319 ||| SWAPPING to +9 broad axe "Kosum" {antimagic,
                  | rC+}.
 34320 | D:14     | 34320 ||| SWAPPING to +6 heavy broad axe.
 34321 | D:14     | 34321 ||| SWAPPING to +9 broad axe "Kosum" {antimagic,
                  | rC+}.
 34322 | D:14     | 34322 ||| SWAPPING to +6 heavy broad axe.
 34323 | D:14     | 34323 ||| SWAPPING to +9 broad axe "Kosum" {antimagic,
                  | rC+}.
 34324 | D:14     | 34324 ||| SWAPPING to +6 heavy broad axe.
 34325 | D:14     | 34325 ||| SWAPPING to +9 broad axe "Kosum" {antimagic,
                  | rC+}.
 34326 | D:14     | 34326 ||| SWAPPING to +6 heavy broad axe.
 34327 | D:14     | 34327 ||| SWAPPING to +9 broad axe "Kosum" {antimagic,
                  | rC+}.
 34328 | D:14     | 34328 ||| SWAPPING to +6 heavy broad axe.
 34329 | D:14     | 34329 ||| SWAPPING to +9 broad axe "Kosum" {antimagic,
                  | rC+}.
 34330 | D:14     | 34330 ||| SWAPPING to +6 heavy broad axe.
 34331 | D:14     | 34331 ||| SWAPPING to +9 broad axe "Kosum" {antimagic,
                  | rC+}.
 34332 | D:14     | 34332 ||| SWAPPING to +6 heavy broad axe.
 34333 | D:14     | 34333 ||| SWAPPING to +9 broad axe "Kosum" {antimagic,
                  | rC+}.
 34334 | D:14     | 34334 ||| SWAPPING to +6 heavy broad axe.
 34335 | D:14     | 34335 ||| SWAPPING to +9 broad axe "Kosum" {antimagic,
                  | rC+}.
 34336 | D:14     | 34336 ||| SWAPPING to +6 heavy broad axe.
 34337 | D:14     | 34337 ||| SWAPPING to +9 broad axe "Kosum" {antimagic,
                  | rC+}.
 34338 | D:14     | 34338 ||| SWAPPING to +6 heavy broad axe.
 34339 | D:14     | 34339 ||| SWAPPING to +9 broad axe "Kosum" {antimagic,
                  | rC+}.
 34340 | D:14     | 34340 ||| SWAPPING to +6 heavy broad axe.
 34341 | D:14     | 34341 ||| SWAPPING to +9 broad axe "Kosum" {antimagic,
                  | rC+}.
 34342 | D:14     | 34342 ||| SWAPPING to +6 heavy broad axe.
 34343 | D:14     | 34343 ||| SWAPPING to +9 broad axe "Kosum" {antimagic,
                  | rC+}.
 34344 | D:14     | 34344 ||| SWAPPING to +6 heavy broad axe.
 34345 | D:14     | 34345 ||| SWAPPING to +9 broad axe "Kosum" {antimagic,
                  | rC+}.
 34346 | D:14     | 34346 ||| SWAPPING to +6 heavy broad axe.
 34347 | D:14     | 34347 ||| SWAPPING to +9 broad axe "Kosum" {antimagic,
                  | rC+}.
 34348 | D:14     | 34348 ||| SWAPPING to +6 heavy broad axe.
 34349 | D:14     | 34349 ||| SWAPPING to +9 broad axe "Kosum" {antimagic,
                  | rC+}.
 34350 | D:14     | 34350 ||| SWAPPING to +6 heavy broad axe.
 34351 | D:14     | 34351 ||| SWAPPING to +9 broad axe "Kosum" {antimagic,
                  | rC+}.
 34352 | D:14     | 34352 ||| SWAPPING to +6 heavy broad axe.
 34353 | D:14     | 34353 ||| SWAPPING to +9 broad axe "Kosum" {antimagic,
                  | rC+}.
 34354 | D:14     | 34354 ||| SWAPPING to +6 heavy broad axe.
 34355 | D:14     | 34355 ||| SWAPPING to +9 broad axe "Kosum" {antimagic,
                  | rC+}.
 34356 | D:14     | 34356 ||| SWAPPING to +6 heavy broad axe.
 34357 | D:14     | 34357 ||| SWAPPING to +9 broad axe "Kosum" {antimagic,
                  | rC+}.
 34358 | D:14     | 34358 ||| SWAPPING to +6 heavy broad axe.
 34359 | D:14     | 34359 ||| SWAPPING to +9 broad axe "Kosum" {antimagic,
                  | rC+}.
 34360 | D:14     | 34360 ||| SWAPPING to +6 heavy broad axe.
 34361 | D:14     | 34361 ||| SWAPPING to +9 broad axe "Kosum" {antimagic,
                  | rC+}.
 34362 | D:14     | 34362 ||| SWAPPING to +6 heavy broad axe.
 34363 | D:14     | 34363 ||| SWAPPING to +9 broad axe "Kosum" {antimagic,
                  | rC+}.
 34364 | D:14     | 34364 ||| SWAPPING to +6 heavy broad axe.
 34365 | D:14     | 34365 ||| SWAPPING to +9 broad axe "Kosum" {antimagic,
                  | rC+}.
 34366 | D:14     | 34366 ||| SWAPPING to +6 heavy broad axe.
 34367 | D:14     | 34367 ||| SWAPPING to +9 broad axe "Kosum" {antimagic,
                  | rC+}.
 34368 | D:14     | 34368 ||| SWAPPING to +6 heavy broad axe.
 34369 | D:14     | 34369 ||| SWAPPING to +9 broad axe "Kosum" {antimagic,
                  | rC+}.
 34370 | D:14     | 34370 ||| SWAPPING to +6 heavy broad axe.
 34371 | D:14     | 34371 ||| SWAPPING to +9 broad axe "Kosum" {antimagic,
                  | rC+}.
 34372 | D:14     | 34372 ||| SWAPPING to +6 heavy broad axe.
 34373 | D:14     | 34373 ||| SWAPPING to +9 broad axe "Kosum" {antimagic,
                  | rC+}.
 34374 | D:14     | 34374 ||| SWAPPING to +6 heavy broad axe.
 34375 | D:14     | 34375 ||| SWAPPING to +9 broad axe "Kosum" {antimagic,
                  | rC+}.
 34376 | D:14     | 34376 ||| SWAPPING to +6 heavy broad axe.
 34377 | D:14     | 34377 ||| SWAPPING to +9 broad axe "Kosum" {antimagic,
                  | rC+}.
 34378 | D:14     | 34378 ||| SWAPPING to +6 heavy broad axe.
 34379 | D:14     | 34379 ||| SWAPPING to +9 broad axe "Kosum" {antimagic,
                  | rC+}.
 34380 | D:14     | 34380 ||| SWAPPING to +6 heavy broad axe.
 34381 | D:14     | 34381 ||| SWAPPING to +9 broad axe "Kosum" {antimagic,
                  | rC+}.
 34382 | D:14     | 34382 ||| SWAPPING to +6 heavy broad axe.
 34383 | D:14     | 34383 ||| SWAPPING to +9 broad axe "Kosum" {antimagic,
                  | rC+}.
 34384 | D:14     | 34384 ||| SWAPPING to +6 heavy broad axe.
 34385 | D:14     | 34385 ||| SWAPPING to +9 broad axe "Kosum" {antimagic,
                  | rC+}.
 34386 | D:14     | 34386 ||| SWAPPING to +6 heavy broad axe.
 34387 | D:14     | 34387 ||| SWAPPING to +9 broad axe "Kosum" {antimagic,
                  | rC+}.
 34388 | D:14     | 34388 ||| SWAPPING to +6 heavy broad axe.
 34389 | D:14     | 34389 ||| SWAPPING to +9 broad axe "Kosum" {antimagic,
                  | rC+}.
 34390 | D:14     | 34390 ||| SWAPPING to +6 heavy broad axe.
 34391 | D:14     | 34391 ||| SWAPPING to +9 broad axe "Kosum" {antimagic,
                  | rC+}.
 34392 | D:14     | 34392 ||| SWAPPING to +6 heavy broad axe.
 34393 | D:14     | 34393 ||| SWAPPING to +9 broad axe "Kosum" {antimagic,
                  | rC+}.
 34394 | D:14     | 34394 ||| SWAPPING to +6 heavy broad axe.
 34395 | D:14     | 34395 ||| SWAPPING to +9 broad axe "Kosum" {antimagic,
                  | rC+}.
 34396 | D:14     | 34396 ||| SWAPPING to +6 heavy broad axe.
 34397 | D:14     | 34397 ||| SWAPPING to +9 broad axe "Kosum" {antimagic,
                  | rC+}.
 34398 | D:14     | 34398 ||| SWAPPING to +6 heavy broad axe.
 34399 | D:14     | 34399 ||| SWAPPING to +9 broad axe "Kosum" {antimagic,
                  | rC+}.
 34400 | D:14     | 34400 ||| SWAPPING to +6 heavy broad axe.
 34401 | D:14     | 34401 ||| SWAPPING to +9 broad axe "Kosum" {antimagic,
                  | rC+}.
 34402 | D:14     | 34402 ||| SWAPPING to +6 heavy broad axe.
 34403 | D:14     | 34403 ||| SWAPPING to +9 broad axe "Kosum" {antimagic,
                  | rC+}.
 34404 | D:14     | 34404 ||| SWAPPING to +6 heavy broad axe.
 34405 | D:14     | 34405 ||| SWAPPING to +9 broad axe "Kosum" {antimagic,
                  | rC+}.
 34406 | D:14     | 34406 ||| SWAPPING to +6 heavy broad axe.
 34407 | D:14     | 34407 ||| SWAPPING to +9 broad axe "Kosum" {antimagic,
                  | rC+}.
 34408 | D:14     | 34408 ||| SWAPPING to +6 heavy broad axe.
 34409 | D:14     | 34409 ||| SWAPPING to +9 broad axe "Kosum" {antimagic,
                  | rC+}.
 34410 | D:14     | 34410 ||| SWAPPING to +6 heavy broad axe.
 34411 | D:14     | 34411 ||| SWAPPING to +9 broad axe "Kosum" {antimagic,
                  | rC+}.
 34412 | D:14     | 34412 ||| SWAPPING to +6 heavy broad axe.
 34413 | D:14     | 34413 ||| SWAPPING to +9 broad axe "Kosum" {antimagic,
                  | rC+}.
 34414 | D:14     | 34414 ||| SWAPPING to +6 heavy broad axe.
 34415 | D:14     | 34415 ||| SWAPPING to +9 broad axe "Kosum" {antimagic,
                  | rC+}.
 34416 | D:14     | 34416 ||| SWAPPING to +6 heavy broad axe.
 34417 | D:14     | 34417 ||| SWAPPING to +9 broad axe "Kosum" {antimagic,
                  | rC+}.
 34418 | D:14     | 34418 ||| SWAPPING to +6 heavy broad axe.
 34419 | D:14     | 34419 ||| SWAPPING to +9 broad axe "Kosum" {antimagic,
                  | rC+}.
 34420 | D:14     | 34420 ||| SWAPPING to +6 heavy broad axe.
 34421 | D:14     | 34421 ||| SWAPPING to +9 broad axe "Kosum" {antimagic,
                  | rC+}.
 34422 | D:14     | 34422 ||| SWAPPING to +6 heavy broad axe.
 34423 | D:14     | 34423 ||| SWAPPING to +9 broad axe "Kosum" {antimagic,
                  | rC+}.
 34424 | D:14     | 34424 ||| SWAPPING to +6 heavy broad axe.
 34425 | D:14     | 34425 ||| SWAPPING to +9 broad axe "Kosum" {antimagic,
                  | rC+}.
 34426 | D:14     | 34426 ||| SWAPPING to +6 heavy broad axe.
 34427 | D:14     | 34427 ||| SWAPPING to +9 broad axe "Kosum" {antimagic,
                  | rC+}.
 34428 | D:14     | 34428 ||| SWAPPING to +6 heavy broad axe.
 34429 | D:14     | 34429 ||| SWAPPING to +9 broad axe "Kosum" {antimagic,
                  | rC+}.
 34430 | D:14     | 34430 ||| SWAPPING to +6 heavy broad axe.
 34431 | D:14     | 34431 ||| SWAPPING to +9 broad axe "Kosum" {antimagic,
                  | rC+}.
 34432 | D:14     | 34432 ||| SWAPPING to +6 heavy broad axe.
 34433 | D:14     | 34433 ||| SWAPPING to +9 broad axe "Kosum" {antimagic,
                  | rC+}.
 34434 | D:14     | 34434 ||| SWAPPING to +6 heavy broad axe.
 34435 | D:14     | 34435 ||| SWAPPING to +9 broad axe "Kosum" {antimagic,
                  | rC+}.
 34436 | D:14     | 34436 ||| SWAPPING to +6 heavy broad axe.
 34437 | D:14     | 34437 ||| SWAPPING to +9 broad axe "Kosum" {antimagic,
                  | rC+}.
 34438 | D:14     | 34438 ||| SWAPPING to +6 heavy broad axe.
 34439 | D:14     | 34439 ||| SWAPPING to +9 broad axe "Kosum" {antimagic,
                  | rC+}.
 34440 | D:14     | 34440 ||| SWAPPING to +6 heavy broad axe.
 34441 | D:14     | 34441 ||| SWAPPING to +9 broad axe "Kosum" {antimagic,
                  | rC+}.
 34442 | D:14     | 34442 ||| SWAPPING to +6 heavy broad axe.
 34443 | D:14     | 34443 ||| SWAPPING to +9 broad axe "Kosum" {antimagic,
                  | rC+}.
 34444 | D:14     | 34444 ||| SWAPPING to +6 heavy broad axe.
 34445 | D:14     | 34445 ||| SWAPPING to +9 broad axe "Kosum" {antimagic,
                  | rC+}.
 34446 | D:14     | 34446 ||| SWAPPING to +6 heavy broad axe.
 34447 | D:14     | 34447 ||| SWAPPING to +9 broad axe "Kosum" {antimagic,
                  | rC+}.
 34448 | D:14     | 34448 ||| SWAPPING to +6 heavy broad axe.
 34449 | D:14     | 34449 ||| SWAPPING to +9 broad axe "Kosum" {antimagic,
                  | rC+}.
 34450 | D:14     | 34450 ||| SWAPPING to +6 heavy broad axe.
 34451 | D:14     | 34451 ||| SWAPPING to +9 broad axe "Kosum" {antimagic,
                  | rC+}.
 34452 | D:14     | 34452 ||| SWAPPING to +6 heavy broad axe.
 34453 | D:14     | 34453 ||| SWAPPING to +9 broad axe "Kosum" {antimagic,
                  | rC+}.
 34454 | D:14     | 34454 ||| SWAPPING to +6 heavy broad axe.
 34455 | D:14     | 34455 ||| SWAPPING to +9 broad axe "Kosum" {antimagic,
                  | rC+}.
 34456 | D:14     | 34456 ||| SWAPPING to +6 heavy broad axe.
 34457 | D:14     | 34457 ||| SWAPPING to +9 broad axe "Kosum" {antimagic,
                  | rC+}.
 34458 | D:14     | 34458 ||| SWAPPING to +6 heavy broad axe.
 34459 | D:14     | 34459 ||| SWAPPING to +9 broad axe "Kosum" {antimagic,
                  | rC+}.
 34460 | D:14     | 34460 ||| SWAPPING to +6 heavy broad axe.
 34461 | D:14     | 34461 ||| SWAPPING to +9 broad axe "Kosum" {antimagic,
                  | rC+}.
 34462 | D:14     | 34462 ||| SWAPPING to +6 heavy broad axe.
 34463 | D:14     | 34463 ||| SWAPPING to +9 broad axe "Kosum" {antimagic,
                  | rC+}.
 34464 | D:14     | 34464 ||| SWAPPING to +6 heavy broad axe.
 34465 | D:14     | 34465 ||| SWAPPING to +9 broad axe "Kosum" {antimagic,
                  | rC+}.
 34466 | D:14     | 34466 ||| SWAPPING to +6 heavy broad axe.
 34467 | D:14     | 34467 ||| SWAPPING to +9 broad axe "Kosum" {antimagic,
                  | rC+}.
 34468 | D:14     | 34468 ||| SWAPPING to +6 heavy broad axe.
 34469 | D:14     | 34469 ||| SWAPPING to +9 broad axe "Kosum" {antimagic,
                  | rC+}.
 34470 | D:14     | 34470 ||| SWAPPING to +6 heavy broad axe.
 34471 | D:14     | 34471 ||| SWAPPING to +9 broad axe "Kosum" {antimagic,
                  | rC+}.
 34472 | D:14     | 34472 ||| SWAPPING to +6 heavy broad axe.
 34473 | D:14     | 34473 ||| SWAPPING to +9 broad axe "Kosum" {antimagic,
                  | rC+}.
 34474 | D:14     | 34474 ||| SWAPPING to +6 heavy broad axe.
 34475 | D:14     | 34475 ||| SWAPPING to +9 broad axe "Kosum" {antimagic,
                  | rC+}.
 34476 | D:14     | 34476 ||| SWAPPING to +6 heavy broad axe.
 34477 | D:14     | 34477 ||| SWAPPING to +9 broad axe "Kosum" {antimagic,
                  | rC+}.
 34478 | D:14     | 34478 ||| SWAPPING to +6 heavy broad axe.
 34479 | D:14     | 34479 ||| SWAPPING to +9 broad axe "Kosum" {antimagic,
                  | rC+}.
 34480 | D:14     | 34480 ||| SWAPPING to +6 heavy broad axe.
 34481 | D:14     | 34481 ||| SWAPPING to +9 broad axe "Kosum" {antimagic,
                  | rC+}.
 34482 | D:14     | 34482 ||| SWAPPING to +6 heavy broad axe.
 34483 | D:14     | 34483 ||| SWAPPING to +9 broad axe "Kosum" {antimagic,
                  | rC+}.
 34484 | D:14     | 34484 ||| SWAPPING to +6 heavy broad axe.
 34485 | D:14     | 34485 ||| SWAPPING to +9 broad axe "Kosum" {antimagic,
                  | rC+}.
 34486 | D:14     | 34486 ||| SWAPPING to +6 heavy broad axe.
 34487 | D:14     | 34487 ||| SWAPPING to +9 broad axe "Kosum" {antimagic,
                  | rC+}.
 34488 | D:14     | 34488 ||| SWAPPING to +6 heavy broad axe.
 34489 | D:14     | 34489 ||| SWAPPING to +9 broad axe "Kosum" {antimagic,
                  | rC+}.
 34490 | D:14     | 34490 ||| SWAPPING to +6 heavy broad axe.
 34491 | D:14     | 34491 ||| SWAPPING to +9 broad axe "Kosum" {antimagic,
                  | rC+}.
 34492 | D:14     | 34492 ||| SWAPPING to +6 heavy broad axe.
 34493 | D:14     | 34493 ||| SWAPPING to +9 broad axe "Kosum" {antimagic,
                  | rC+}.
 34494 | D:14     | 34494 ||| SWAPPING to +6 heavy broad axe.
 34495 | D:14     | 34495 ||| SWAPPING to +9 broad axe "Kosum" {antimagic,
                  | rC+}.
 34496 | D:14     | 34496 ||| SWAPPING to +6 heavy broad axe.
 34497 | D:14     | 34497 ||| SWAPPING to +9 broad axe "Kosum" {antimagic,
                  | rC+}.
 34498 | D:14     | 34498 ||| SWAPPING to +6 heavy broad axe.
 34499 | D:14     | 34499 ||| SWAPPING to +9 broad axe "Kosum" {antimagic,
                  | rC+}.
 34500 | D:14     | 34500 ||| SWAPPING to +6 heavy broad axe.
 34501 | D:14     | 34501 ||| SWAPPING to +9 broad axe "Kosum" {antimagic,
                  | rC+}.
 34502 | D:14     | 34502 ||| SWAPPING to +6 heavy broad axe.
 34503 | D:14     | 34503 ||| SWAPPING to +9 broad axe "Kosum" {antimagic,
                  | rC+}.
 34504 | D:14     | 34504 ||| SWAPPING to +6 heavy broad axe.
 34505 | D:14     | 34505 ||| SWAPPING to +9 broad axe "Kosum" {antimagic,
                  | rC+}.
 34506 | D:14     | 34506 ||| SWAPPING to +6 heavy broad axe.
 34507 | D:14     | 34507 ||| SWAPPING to +9 broad axe "Kosum" {antimagic,
                  | rC+}.
 34508 | D:14     | 34508 ||| SWAPPING to +6 heavy broad axe.
 34509 | D:14     | 34509 ||| SWAPPING to +9 broad axe "Kosum" {antimagic,
                  | rC+}.
 34510 | D:14     | 34510 ||| SWAPPING to +6 heavy broad axe.
 34511 | D:14     | 34511 ||| SWAPPING to +9 broad axe "Kosum" {antimagic,
                  | rC+}.
 34512 | D:14     | 34512 ||| SWAPPING to +6 heavy broad axe.
 34513 | D:14     | 34513 ||| SWAPPING to +9 broad axe "Kosum" {antimagic,
                  | rC+}.
 34514 | D:14     | 34514 ||| SWAPPING to +6 heavy broad axe.
 34515 | D:14     | 34515 ||| SWAPPING to +9 broad axe "Kosum" {antimagic,
                  | rC+}.
 34516 | D:14     | 34516 ||| SWAPPING to +6 heavy broad axe.
 34517 | D:14     | 34517 ||| SWAPPING to +9 broad axe "Kosum" {antimagic,
                  | rC+}.
 34518 | D:14     | 34518 ||| SWAPPING to +6 heavy broad axe.
 34519 | D:14     | 34519 ||| SWAPPING to +9 broad axe "Kosum" {antimagic,
                  | rC+}.
 34520 | D:14     | 34520 ||| SWAPPING to +6 heavy broad axe.
 34521 | D:14     | 34521 ||| SWAPPING to +9 broad axe "Kosum" {antimagic,
                  | rC+}.
 34522 | D:14     | 34522 ||| SWAPPING to +6 heavy broad axe.
 34523 | D:14     | 34523 ||| SWAPPING to +9 broad axe "Kosum" {antimagic,
                  | rC+}.
 34524 | D:14     | 34524 ||| SWAPPING to +6 heavy broad axe.
 34525 | D:14     | 34525 ||| SWAPPING to +9 broad axe "Kosum" {antimagic,
                  | rC+}.
 34526 | D:14     | 34526 ||| SWAPPING to +6 heavy broad axe.
 34527 | D:14     | 34527 ||| SWAPPING to +9 broad axe "Kosum" {antimagic,
                  | rC+}.
 34528 | D:14     | 34528 ||| SWAPPING to +6 heavy broad axe.
 34529 | D:14     | 34529 ||| SWAPPING to +9 broad axe "Kosum" {antimagic,
                  | rC+}.
 34530 | D:14     | 34530 ||| SWAPPING to +6 heavy broad axe.
 34531 | D:14     | 34531 ||| SWAPPING to +9 broad axe "Kosum" {antimagic,
                  | rC+}.
 34532 | D:14     | 34532 ||| SWAPPING to +6 heavy broad axe.
 34533 | D:14     | 34533 ||| SWAPPING to +9 broad axe "Kosum" {antimagic,
                  | rC+}.
 34534 | D:14     | 34534 ||| SWAPPING to +6 heavy broad axe.
 34535 | D:14     | 34535 ||| SWAPPING to +9 broad axe "Kosum" {antimagic,
                  | rC+}.
 34536 | D:14     | 34536 ||| SWAPPING to +6 heavy broad axe.
 34537 | D:14     | 34537 ||| SWAPPING to +9 broad axe "Kosum" {antimagic,
                  | rC+}.
 34538 | D:14     | 34538 ||| SWAPPING to +6 heavy broad axe.
 34539 | D:14     | 34539 ||| SWAPPING to +9 broad axe "Kosum" {antimagic,
                  | rC+}.
 34540 | D:14     | 34540 ||| SWAPPING to +6 heavy broad axe.
 34541 | D:14     | 34541 ||| SWAPPING to +9 broad axe "Kosum" {antimagic,
                  | rC+}.
 34542 | D:14     | 34542 ||| SWAPPING to +6 heavy broad axe.
 34543 | D:14     | 34543 ||| SWAPPING to +9 broad axe "Kosum" {antimagic,
                  | rC+}.
 34544 | D:14     | 34544 ||| SWAPPING to +6 heavy broad axe.
 34545 | D:14     | 34545 ||| SWAPPING to +9 broad axe "Kosum" {antimagic,
                  | rC+}.
 34546 | D:14     | 34546 ||| SWAPPING to +6 heavy broad axe.
 34547 | D:14     | 34547 ||| SWAPPING to +9 broad axe "Kosum" {antimagic,
                  | rC+}.
 34548 | D:14     | 34548 ||| SWAPPING to +6 heavy broad axe.
 34549 | D:14     | 34549 ||| SWAPPING to +9 broad axe "Kosum" {antimagic,
                  | rC+}.
 34550 | D:14     | 34550 ||| SWAPPING to +6 heavy broad axe.
 34551 | D:14     | 34551 ||| SWAPPING to +9 broad axe "Kosum" {antimagic,
                  | rC+}.
 34552 | D:14     | 34552 ||| SWAPPING to +6 heavy broad axe.
 34553 | D:14     | 34553 ||| SWAPPING to +9 broad axe "Kosum" {antimagic,
                  | rC+}.
 34554 | D:14     | 34554 ||| SWAPPING to +6 heavy broad axe.
 34555 | D:14     | 34555 ||| SWAPPING to +9 broad axe "Kosum" {antimagic,
                  | rC+}.
 34556 | D:14     | 34556 ||| SWAPPING to +6 heavy broad axe.
 34557 | D:14     | 34557 ||| SWAPPING to +9 broad axe "Kosum" {antimagic,
                  | rC+}.
 34558 | D:14     | 34558 ||| SWAPPING to +6 heavy broad axe.
 34559 | D:14     | 34559 ||| SWAPPING to +9 broad axe "Kosum" {antimagic,
                  | rC+}.
 34560 | D:14     | 34560 ||| SWAPPING to +6 heavy broad axe.
 34561 | D:14     | 34561 ||| SWAPPING to +9 broad axe "Kosum" {antimagic,
                  | rC+}.
 34562 | D:14     | 34562 ||| SWAPPING to +6 heavy broad axe.
 34563 | D:14     | 34563 ||| SWAPPING to +9 broad axe "Kosum" {antimagic,
                  | rC+}.
 34564 | D:14     | 34564 ||| SWAPPING to +6 heavy broad axe.
 34565 | D:14     | 34565 ||| SWAPPING to +9 broad axe "Kosum" {antimagic,
                  | rC+}.
 34566 | D:14     | 34566 ||| SWAPPING to +6 heavy broad axe.
 34567 | D:14     | 34567 ||| SWAPPING to +9 broad axe "Kosum" {antimagic,
                  | rC+}.
 34568 | D:14     | 34568 ||| SWAPPING to +6 heavy broad axe.
 34569 | D:14     | 34569 ||| SWAPPING to +9 broad axe "Kosum" {antimagic,
                  | rC+}.
 34570 | D:14     | 34570 ||| SWAPPING to +6 heavy broad axe.
 34571 | D:14     | 34571 ||| SWAPPING to +9 broad axe "Kosum" {antimagic,
                  | rC+}.
 34572 | D:14     | 34572 ||| SWAPPING to +6 heavy broad axe.
 34573 | D:14     | 34573 ||| SWAPPING to +9 broad axe "Kosum" {antimagic,
                  | rC+}.
 34574 | D:14     | 34574 ||| SWAPPING to +6 heavy broad axe.
 34575 | D:14     | 34575 ||| SWAPPING to +9 broad axe "Kosum" {antimagic,
                  | rC+}.
 34576 | D:14     | 34576 ||| SWAPPING to +6 heavy broad axe.
 34577 | D:14     | 34577 ||| SWAPPING to +9 broad axe "Kosum" {antimagic,
                  | rC+}.
 34578 | D:14     | 34578 ||| SWAPPING to +6 heavy broad axe.
 34579 | D:14     | 34579 ||| SWAPPING to +9 broad axe "Kosum" {antimagic,
                  | rC+}.
 34580 | D:14     | 34580 ||| SWAPPING to +6 heavy broad axe.
 34581 | D:14     | 34581 ||| SWAPPING to +9 broad axe "Kosum" {antimagic,
                  | rC+}.
 34582 | D:14     | 34582 ||| SWAPPING to +6 heavy broad axe.
 34583 | D:14     | 34583 ||| SWAPPING to +9 broad axe "Kosum" {antimagic,
                  | rC+}.
 34584 | D:14     | 34584 ||| SWAPPING to +6 heavy broad axe.
 34585 | D:14     | 34585 ||| SWAPPING to +9 broad axe "Kosum" {antimagic,
                  | rC+}.
 34586 | D:14     | 34586 ||| SWAPPING to +6 heavy broad axe.
 34587 | D:14     | 34587 ||| SWAPPING to +9 broad axe "Kosum" {antimagic,
                  | rC+}.
 34588 | D:14     | 34588 ||| SWAPPING to +6 heavy broad axe.
 34589 | D:14     | 34589 ||| SWAPPING to +9 broad axe "Kosum" {antimagic,
                  | rC+}.
 34590 | D:14     | 34590 ||| SWAPPING to +6 heavy broad axe.
 34591 | D:14     | 34591 ||| SWAPPING to +9 broad axe "Kosum" {antimagic,
                  | rC+}.
 34592 | D:14     | 34592 ||| SWAPPING to +6 heavy broad axe.
 34593 | D:14     | 34593 ||| SWAPPING to +9 broad axe "Kosum" {antimagic,
                  | rC+}.
 34594 | D:14     | 34594 ||| SWAPPING to +6 heavy broad axe.
 34595 | D:14     | 34595 ||| SWAPPING to +9 broad axe "Kosum" {antimagic,
                  | rC+}.
 34596 | D:14     | 34596 ||| SWAPPING to +6 heavy broad axe.
 34597 | D:14     | 34597 ||| SWAPPING to +9 broad axe "Kosum" {antimagic,
                  | rC+}.
 34598 | D:14     | 34598 ||| SWAPPING to +6 heavy broad axe.
 34599 | D:14     | 34599 ||| SWAPPING to +9 broad axe "Kosum" {antimagic,
                  | rC+}.
 34600 | D:14     | 34600 ||| SWAPPING to +6 heavy broad axe.
 34601 | D:14     | 34601 ||| SWAPPING to +9 broad axe "Kosum" {antimagic,
                  | rC+}.
 34602 | D:14     | 34602 ||| SWAPPING to +6 heavy broad axe.
 34603 | D:14     | 34603 ||| SWAPPING to +9 broad axe "Kosum" {antimagic,
                  | rC+}.
 34604 | D:14     | 34604 ||| SWAPPING to +6 heavy broad axe.
 34605 | D:14     | 34605 ||| SWAPPING to +9 broad axe "Kosum" {antimagic,
                  | rC+}.
 34606 | D:14     | 34606 ||| SWAPPING to +6 heavy broad axe.
 34607 | D:14     | 34607 ||| SWAPPING to +9 broad axe "Kosum" {antimagic,
                  | rC+}.
 34608 | D:14     | 34608 ||| SWAPPING to +6 heavy broad axe.
 34609 | D:14     | 34609 ||| SWAPPING to +9 broad axe "Kosum" {antimagic,
                  | rC+}.
 34610 | D:14     | 34610 ||| SWAPPING to +6 heavy broad axe.
 34611 | D:14     | 34611 ||| SWAPPING to +9 broad axe "Kosum" {antimagic,
                  | rC+}.
 34612 | D:14     | 34612 ||| SWAPPING to +6 heavy broad axe.
 34613 | D:14     | 34613 ||| SWAPPING to +9 broad axe "Kosum" {antimagic,
                  | rC+}.
 34614 | D:14     | 34614 ||| SWAPPING to +6 heavy broad axe.
 34615 | D:14     | 34615 ||| SWAPPING to +9 broad axe "Kosum" {antimagic,
                  | rC+}.
 34616 | D:14     | 34616 ||| SWAPPING to +6 heavy broad axe.
 34617 | D:14     | 34617 ||| SWAPPING to +9 broad axe "Kosum" {antimagic,
                  | rC+}.
 34618 | D:14     | 34618 ||| SWAPPING to +6 heavy broad axe.
 34619 | D:14     | 34619 ||| SWAPPING to +9 broad axe "Kosum" {antimagic,
                  | rC+}.
 34620 | D:14     | 34620 ||| SWAPPING to +6 heavy broad axe.
 34621 | D:14     | 34621 ||| SWAPPING to +9 broad axe "Kosum" {antimagic,
                  | rC+}.
 34622 | D:14     | 34622 ||| SWAPPING to +6 heavy broad axe.
 34623 | D:14     | 34623 ||| SWAPPING to +9 broad axe "Kosum" {antimagic,
                  | rC+}.
 34624 | D:14     | 34624 ||| SWAPPING to +6 heavy broad axe.
 34625 | D:14     | 34625 ||| SWAPPING to +9 broad axe "Kosum" {antimagic,
                  | rC+}.
 34626 | D:14     | 34626 ||| SWAPPING to +6 heavy broad axe.
 34627 | D:14     | 34627 ||| SWAPPING to +9 broad axe "Kosum" {antimagic,
                  | rC+}.
 34628 | D:14     | 34628 ||| SWAPPING to +6 heavy broad axe.
 34629 | D:14     | 34629 ||| SWAPPING to +9 broad axe "Kosum" {antimagic,
                  | rC+}.
 34630 | D:14     | 34630 ||| SWAPPING to +6 heavy broad axe.
 34631 | D:14     | 34631 ||| SWAPPING to +9 broad axe "Kosum" {antimagic,
                  | rC+}.
 34632 | D:14     | 34632 ||| SWAPPING to +6 heavy broad axe.
 34633 | D:14     | 34633 ||| SWAPPING to +9 broad axe "Kosum" {antimagic,
                  | rC+}.
 34634 | D:14     | 34634 ||| SWAPPING to +6 heavy broad axe.
 34635 | D:14     | 34635 ||| SWAPPING to +9 broad axe "Kosum" {antimagic,
                  | rC+}.
 34636 | D:14     | 34636 ||| SWAPPING to +6 heavy broad axe.
 34637 | D:14     | 34637 ||| SWAPPING to +9 broad axe "Kosum" {antimagic,
                  | rC+}.
 34638 | D:14     | 34638 ||| SWAPPING to +6 heavy broad axe.
 34639 | D:14     | 34639 ||| SWAPPING to +9 broad axe "Kosum" {antimagic,
                  | rC+}.
 34640 | D:14     | 34640 ||| SWAPPING to +6 heavy broad axe.
 34641 | D:14     | 34641 ||| SWAPPING to +9 broad axe "Kosum" {antimagic,
                  | rC+}.
 34642 | D:14     | 34642 ||| SWAPPING to +6 heavy broad axe.
 34643 | D:14     | 34643 ||| SWAPPING to +9 broad axe "Kosum" {antimagic,
                  | rC+}.
 34644 | D:14     | 34644 ||| SWAPPING to +6 heavy broad axe.
 34645 | D:14     | 34645 ||| SWAPPING to +9 broad axe "Kosum" {antimagic,
                  | rC+}.
 34646 | D:14     | 34646 ||| SWAPPING to +6 heavy broad axe.
 34647 | D:14     | 34647 ||| SWAPPING to +9 broad axe "Kosum" {antimagic,
                  | rC+}.
 34648 | D:14     | 34648 ||| SWAPPING to +6 heavy broad axe.
 34649 | D:14     | 34649 ||| SWAPPING to +9 broad axe "Kosum" {antimagic,
                  | rC+}.
 34650 | D:14     | 34650 ||| SWAPPING to +6 heavy broad axe.
 34651 | D:14     | 34651 ||| SWAPPING to +9 broad axe "Kosum" {antimagic,
                  | rC+}.
 34652 | D:14     | 34652 ||| SWAPPING to +6 heavy broad axe.
 34653 | D:14     | 34653 ||| SWAPPING to +9 broad axe "Kosum" {antimagic,
                  | rC+}.
 34654 | D:14     | 34654 ||| SWAPPING to +6 heavy broad axe.
 34655 | D:14     | 34655 ||| SWAPPING to +9 broad axe "Kosum" {antimagic,
                  | rC+}.
 34656 | D:14     | 34656 ||| SWAPPING to +6 heavy broad axe.
 34657 | D:14     | 34657 ||| SWAPPING to +9 broad axe "Kosum" {antimagic,
                  | rC+}.
 34658 | D:14     | 34658 ||| SWAPPING to +6 heavy broad axe.
 34659 | D:14     | 34659 ||| SWAPPING to +9 broad axe "Kosum" {antimagic,
                  | rC+}.
 34660 | D:14     | 34660 ||| SWAPPING to +6 heavy broad axe.
 34661 | D:14     | 34661 ||| SWAPPING to +9 broad axe "Kosum" {antimagic,
                  | rC+}.
 34662 | D:14     | 34662 ||| SWAPPING to +6 heavy broad axe.
 34663 | D:14     | 34663 ||| SWAPPING to +9 broad axe "Kosum" {antimagic,
                  | rC+}.
 34664 | D:14     | 34664 ||| SWAPPING to +6 heavy broad axe.
 34665 | D:14     | 34665 ||| SWAPPING to +9 broad axe "Kosum" {antimagic,
                  | rC+}.
 34666 | D:14     | 34666 ||| SWAPPING to +6 heavy broad axe.
 34667 | D:14     | 34667 ||| SWAPPING to +9 broad axe "Kosum" {antimagic,
                  | rC+}.
 34668 | D:14     | 34668 ||| SWAPPING to +6 heavy broad axe.
 34669 | D:14     | 34669 ||| SWAPPING to +9 broad axe "Kosum" {antimagic,
                  | rC+}.
 34670 | D:14     | 34670 ||| SWAPPING to +6 heavy broad axe.
 34671 | D:14     | 34671 ||| SWAPPING to +9 broad axe "Kosum" {antimagic,
                  | rC+}.
 34672 | D:14     | 34672 ||| SWAPPING to +6 heavy broad axe.
 34673 | D:14     | 34673 ||| SWAPPING to +9 broad axe "Kosum" {antimagic,
                  | rC+}.
 34674 | D:14     | 34674 ||| SWAPPING to +6 heavy broad axe.
 34675 | D:14     | 34675 ||| SWAPPING to +9 broad axe "Kosum" {antimagic,
                  | rC+}.
 34676 | D:14     | 34676 ||| SWAPPING to +6 heavy broad axe.
 34677 | D:14     | 34677 ||| SWAPPING to +9 broad axe "Kosum" {antimagic,
                  | rC+}.
 34678 | D:14     | 34678 ||| SWAPPING to +6 heavy broad axe.
 34679 | D:14     | 34679 ||| SWAPPING to +9 broad axe "Kosum" {antimagic,
                  | rC+}.
 34680 | D:14     | 34680 ||| SWAPPING to +6 heavy broad axe.
 34681 | D:14     | 34681 ||| SWAPPING to +9 broad axe "Kosum" {antimagic,
                  | rC+}.
 34682 | D:14     | 34682 ||| SWAPPING to +6 heavy broad axe.
 34683 | D:14     | 34683 ||| SWAPPING to +9 broad axe "Kosum" {antimagic,
                  | rC+}.
 34684 | D:14     | 34684 ||| SWAPPING to +6 heavy broad axe.
 34685 | D:14     | 34685 ||| SWAPPING to +9 broad axe "Kosum" {antimagic,
                  | rC+}.
 34686 | D:14     | 34686 ||| SWAPPING to +6 heavy broad axe.
 34687 | D:14     | 34687 ||| SWAPPING to +9 broad axe "Kosum" {antimagic,
                  | rC+}.
 34688 | D:14     | 34688 ||| SWAPPING to +6 heavy broad axe.
 34689 | D:14     | 34689 ||| SWAPPING to +9 broad axe "Kosum" {antimagic,
                  | rC+}.
 34690 | D:14     | 34690 ||| SWAPPING to +6 heavy broad axe.
 34691 | D:14     | 34691 ||| SWAPPING to +9 broad axe "Kosum" {antimagic,
                  | rC+}.
 34692 | D:14     | 34692 ||| SWAPPING to +6 heavy broad axe.
 34693 | D:14     | 34693 ||| SWAPPING to +9 broad axe "Kosum" {antimagic,
                  | rC+}.
 34694 | D:14     | 34694 ||| SWAPPING to +6 heavy broad axe.
 34695 | D:14     | 34695 ||| SWAPPING to +9 broad axe "Kosum" {antimagic,
                  | rC+}.
 34696 | D:14     | 34696 ||| SWAPPING to +6 heavy broad axe.
 34697 | D:14     | 34697 ||| SWAPPING to +9 broad axe "Kosum" {antimagic,
                  | rC+}.
 34698 | D:14     | 34698 ||| SWAPPING to +6 heavy broad axe.
 34699 | D:14     | 34699 ||| SWAPPING to +9 broad axe "Kosum" {antimagic,
                  | rC+}.
 34700 | D:14     | 34700 ||| SWAPPING to +6 heavy broad axe.
 34701 | D:14     | 34701 ||| SWAPPING to +9 broad axe "Kosum" {antimagic,
                  | rC+}.
 34702 | D:14     | 34702 ||| SWAPPING to +6 heavy broad axe.
 34703 | D:14     | 34703 ||| SWAPPING to +9 broad axe "Kosum" {antimagic,
                  | rC+}.
 34704 | D:14     | 34704 ||| SWAPPING to +6 heavy broad axe.
 34705 | D:14     | 34705 ||| SWAPPING to +9 broad axe "Kosum" {antimagic,
                  | rC+}.
 34706 | D:14     | 34706 ||| SWAPPING to +6 heavy broad axe.
 34707 | D:14     | 34707 ||| SWAPPING to +9 broad axe "Kosum" {antimagic,
                  | rC+}.
 34708 | D:14     | 34708 ||| SWAPPING to +6 heavy broad axe.
 34709 | D:14     | 34709 ||| SWAPPING to +9 broad axe "Kosum" {antimagic,
                  | rC+}.
 34710 | D:14     | 34710 ||| SWAPPING to +6 heavy broad axe.
 34711 | D:14     | 34711 ||| SWAPPING to +9 broad axe "Kosum" {antimagic,
                  | rC+}.
 34712 | D:14     | 34712 ||| SWAPPING to +6 heavy broad axe.
 34713 | D:14     | 34713 ||| SWAPPING to +9 broad axe "Kosum" {antimagic,
                  | rC+}.
 34714 | D:14     | 34714 ||| SWAPPING to +6 heavy broad axe.
 34715 | D:14     | 34715 ||| SWAPPING to +9 broad axe "Kosum" {antimagic,
                  | rC+}.
 34716 | D:14     | 34716 ||| SWAPPING to +6 heavy broad axe.
 34717 | D:14     | 34717 ||| SWAPPING to +9 broad axe "Kosum" {antimagic,
                  | rC+}.
 34718 | D:14     | 34718 ||| SWAPPING to +6 heavy broad axe.
 34719 | D:14     | 34719 ||| SWAPPING to +9 broad axe "Kosum" {antimagic,
                  | rC+}.
 34720 | D:14     | 34720 ||| SWAPPING to +6 heavy broad axe.
 34721 | D:14     | 34721 ||| SWAPPING to +9 broad axe "Kosum" {antimagic,
                  | rC+}.
 34722 | D:14     | 34722 ||| SWAPPING to +6 heavy broad axe.
 34723 | D:14     | 34723 ||| SWAPPING to +9 broad axe "Kosum" {antimagic,
                  | rC+}.
 34724 | D:14     | 34724 ||| SWAPPING to +6 heavy broad axe.
 34725 | D:14     | 34725 ||| SWAPPING to +9 broad axe "Kosum" {antimagic,
                  | rC+}.
 34726 | D:14     | 34726 ||| SWAPPING to +6 heavy broad axe.
 34727 | D:14     | 34727 ||| SWAPPING to +9 broad axe "Kosum" {antimagic,
                  | rC+}.
 34728 | D:14     | 34728 ||| SWAPPING to +6 heavy broad axe.
 34729 | D:14     | 34729 ||| SWAPPING to +9 broad axe "Kosum" {antimagic,
                  | rC+}.
 34730 | D:14     | 34730 ||| SWAPPING to +6 heavy broad axe.
 34731 | D:14     | 34731 ||| SWAPPING to +9 broad axe "Kosum" {antimagic,
                  | rC+}.
 34732 | D:14     | 34732 ||| SWAPPING to +6 heavy broad axe.
 34733 | D:14     | 34733 ||| SWAPPING to +9 broad axe "Kosum" {antimagic,
                  | rC+}.
 34734 | D:14     | 34734 ||| SWAPPING to +6 heavy broad axe.
 34735 | D:14     | 34735 ||| SWAPPING to +9 broad axe "Kosum" {antimagic,
                  | rC+}.
 34736 | D:14     | 34736 ||| SWAPPING to +6 heavy broad axe.
 34737 | D:14     | 34737 ||| SWAPPING to +9 broad axe "Kosum" {antimagic,
                  | rC+}.
 34738 | D:14     | 34738 ||| SWAPPING to +6 heavy broad axe.
 34739 | D:14     | 34739 ||| SWAPPING to +9 broad axe "Kosum" {antimagic,
                  | rC+}.
 34740 | D:14     | 34740 ||| SWAPPING to +6 heavy broad axe.
 34741 | D:14     | 34741 ||| SWAPPING to +9 broad axe "Kosum" {antimagic,
                  | rC+}.
 34742 | D:14     | 34742 ||| SWAPPING to +6 heavy broad axe.
 34743 | D:14     | 34743 ||| SWAPPING to +9 broad axe "Kosum" {antimagic,
                  | rC+}.
 34744 | D:14     | 34744 ||| SWAPPING to +6 heavy broad axe.
 34745 | D:14     | 34745 ||| SWAPPING to +9 broad axe "Kosum" {antimagic,
                  | rC+}.
 34746 | D:14     | 34746 ||| SWAPPING to +6 heavy broad axe.
 34747 | D:14     | 34747 ||| SWAPPING to +9 broad axe "Kosum" {antimagic,
                  | rC+}.
 34748 | D:14     | 34748 ||| SWAPPING to +6 heavy broad axe.
 34749 | D:14     | 34749 ||| SWAPPING to +9 broad axe "Kosum" {antimagic,
                  | rC+}.
 34750 | D:14     | 34750 ||| SWAPPING to +6 heavy broad axe.
 34751 | D:14     | 34751 ||| SWAPPING to +9 broad axe "Kosum" {antimagic,
                  | rC+}.
 34752 | D:14     | 34752 ||| SWAPPING to +6 heavy broad axe.
 34753 | D:14     | 34753 ||| SWAPPING to +9 broad axe "Kosum" {antimagic,
                  | rC+}.
 34754 | D:14     | 34754 ||| SWAPPING to +6 heavy broad axe.
 34755 | D:14     | 34755 ||| SWAPPING to +9 broad axe "Kosum" {antimagic,
                  | rC+}.
 34756 | D:14     | 34756 ||| SWAPPING to +6 heavy broad axe.
 34757 | D:14     | 34757 ||| SWAPPING to +9 broad axe "Kosum" {antimagic,
                  | rC+}.
 34758 | D:14     | 34758 ||| SWAPPING to +6 heavy broad axe.
 34759 | D:14     | 34759 ||| SWAPPING to +9 broad axe "Kosum" {antimagic,
                  | rC+}.
 34760 | D:14     | 34760 ||| SWAPPING to +6 heavy broad axe.
 34761 | D:14     | 34761 ||| SWAPPING to +9 broad axe "Kosum" {antimagic,
                  | rC+}.
 34762 | D:14     | 34762 ||| SWAPPING to +6 heavy broad axe.
 34763 | D:14     | 34763 ||| SWAPPING to +9 broad axe "Kosum" {antimagic,
                  | rC+}.
 34764 | D:14     | 34764 ||| SWAPPING to +6 heavy broad axe.
 34765 | D:14     | 34765 ||| SWAPPING to +9 broad axe "Kosum" {antimagic,
                  | rC+}.
 34766 | D:14     | 34766 ||| SWAPPING to +6 heavy broad axe.
 34767 | D:14     | 34767 ||| SWAPPING to +9 broad axe "Kosum" {antimagic,
                  | rC+}.
 34768 | D:14     | 34768 ||| SWAPPING to +6 heavy broad axe.
 34769 | D:14     | 34769 ||| SWAPPING to +9 broad axe "Kosum" {antimagic,
                  | rC+}.
 34770 | D:14     | 34770 ||| SWAPPING to +6 heavy broad axe.
 34771 | D:14     | 34771 ||| SWAPPING to +9 broad axe "Kosum" {antimagic,
                  | rC+}.
 34772 | D:14     | 34772 ||| SWAPPING to +6 heavy broad axe.
 34773 | D:14     | 34773 ||| SWAPPING to +9 broad axe "Kosum" {antimagic,
                  | rC+}.
 34774 | D:14     | 34774 ||| SWAPPING to +6 heavy broad axe.
 34775 | D:14     | 34775 ||| SWAPPING to +9 broad axe "Kosum" {antimagic,
                  | rC+}.
 34776 | D:14     | 34776 ||| SWAPPING to +6 heavy broad axe.
 34777 | D:14     | 34777 ||| SWAPPING to +9 broad axe "Kosum" {antimagic,
                  | rC+}.
 34778 | D:14     | 34778 ||| SWAPPING to +6 heavy broad axe.
 34779 | D:14     | 34779 ||| SWAPPING to +9 broad axe "Kosum" {antimagic,
                  | rC+}.
 34780 | D:14     | 34780 ||| SWAPPING to +6 heavy broad axe.
 34781 | D:14     | 34781 ||| SWAPPING to +9 broad axe "Kosum" {antimagic,
                  | rC+}.
 34782 | D:14     | 34782 ||| SWAPPING to +6 heavy broad axe.
 34783 | D:14     | 34783 ||| SWAPPING to +9 broad axe "Kosum" {antimagic,
                  | rC+}.
 34784 | D:14     | 34784 ||| SWAPPING to +6 heavy broad axe.
 34785 | D:14     | 34785 ||| SWAPPING to +9 broad axe "Kosum" {antimagic,
                  | rC+}.
 34786 | D:14     | 34786 ||| SWAPPING to +6 heavy broad axe.
 34787 | D:14     | 34787 ||| SWAPPING to +9 broad axe "Kosum" {antimagic,
                  | rC+}.
 34788 | D:14     | 34788 ||| SWAPPING to +6 heavy broad axe.
 34789 | D:14     | 34789 ||| SWAPPING to +9 broad axe "Kosum" {antimagic,
                  | rC+}.
 34790 | D:14     | 34790 ||| SWAPPING to +6 heavy broad axe.
 34791 | D:14     | 34791 ||| SWAPPING to +9 broad axe "Kosum" {antimagic,
                  | rC+}.
 34792 | D:14     | 34792 ||| SWAPPING to +6 heavy broad axe.
 34793 | D:14     | 34793 ||| SWAPPING to +9 broad axe "Kosum" {antimagic,
                  | rC+}.
 34794 | D:14     | 34794 ||| SWAPPING to +6 heavy broad axe.
 34795 | D:14     | 34795 ||| SWAPPING to +9 broad axe "Kosum" {antimagic,
                  | rC+}.
 34796 | D:14     | 34796 ||| SWAPPING to +6 heavy broad axe.
 34797 | D:14     | 34797 ||| SWAPPING to +9 broad axe "Kosum" {antimagic,
                  | rC+}.
 34798 | D:14     | 34798 ||| SWAPPING to +6 heavy broad axe.
 34799 | D:14     | 34799 ||| SWAPPING to +9 broad axe "Kosum" {antimagic,
                  | rC+}.
 34800 | D:14     | 34800 ||| SWAPPING to +6 heavy broad axe.
 34801 | D:14     | 34801 ||| SWAPPING to +9 broad axe "Kosum" {antimagic,
                  | rC+}.
 34802 | D:14     | 34802 ||| SWAPPING to +6 heavy broad axe.
 34803 | D:14     | 34803 ||| SWAPPING to +9 broad axe "Kosum" {antimagic,
                  | rC+}.
 34804 | D:14     | 34804 ||| SWAPPING to +6 heavy broad axe.
 34805 | D:14     | 34805 ||| SWAPPING to +9 broad axe "Kosum" {antimagic,
                  | rC+}.
 34806 | D:14     | 34806 ||| SWAPPING to +6 heavy broad axe.
 34807 | D:14     | 34807 ||| SWAPPING to +9 broad axe "Kosum" {antimagic,
                  | rC+}.
 34808 | D:14     | 34808 ||| SWAPPING to +6 heavy broad axe.
 34809 | D:14     | 34809 ||| SWAPPING to +9 broad axe "Kosum" {antimagic,
                  | rC+}.
 34810 | D:14     | 34810 ||| SWAPPING to +6 heavy broad axe.
 34811 | D:14     | 34811 ||| SWAPPING to +9 broad axe "Kosum" {antimagic,
                  | rC+}.
 34812 | D:14     | 34812 ||| SWAPPING to +6 heavy broad axe.
 34813 | D:14     | 34813 ||| SWAPPING to +9 broad axe "Kosum" {antimagic,
                  | rC+}.
 34814 | D:14     | 34814 ||| SWAPPING to +6 heavy broad axe.
 34815 | D:14     | 34815 ||| SWAPPING to +9 broad axe "Kosum" {antimagic,
                  | rC+}.
 34816 | D:14     | 34816 ||| SWAPPING to +6 heavy broad axe.
 34817 | D:14     | 34817 ||| SWAPPING to +9 broad axe "Kosum" {antimagic,
                  | rC+}.
 34818 | D:14     | 34818 ||| SWAPPING to +6 heavy broad axe.
 34819 | D:14     | 34819 ||| SWAPPING to +9 broad axe "Kosum" {antimagic,
                  | rC+}.
 34820 | D:14     | 34820 ||| SWAPPING to +6 heavy broad axe.
 34821 | D:14     | 34821 ||| SWAPPING to +9 broad axe "Kosum" {antimagic,
                  | rC+}.
 34822 | D:14     | 34822 ||| SWAPPING to +6 heavy broad axe.
 34823 | D:14     | 34823 ||| SWAPPING to +9 broad axe "Kosum" {antimagic,
                  | rC+}.
 34824 | D:14     | 34824 ||| SWAPPING to +6 heavy broad axe.
 34825 | D:14     | 34825 ||| SWAPPING to +9 broad axe "Kosum" {antimagic,
                  | rC+}.
 34826 | D:14     | 34826 ||| SWAPPING to +6 heavy broad axe.
 34827 | D:14     | 34827 ||| SWAPPING to +9 broad axe "Kosum" {antimagic,
                  | rC+}.
 34828 | D:14     | 34828 ||| SWAPPING to +6 heavy broad axe.
 34829 | D:14     | 34829 ||| SWAPPING to +9 broad axe "Kosum" {antimagic,
                  | rC+}.
 34830 | D:14     | 34830 ||| SWAPPING to +6 heavy broad axe.
 34831 | D:14     | 34831 ||| SWAPPING to +9 broad axe "Kosum" {antimagic,
                  | rC+}.
 34832 | D:14     | 34832 ||| SWAPPING to +6 heavy broad axe.
 34833 | D:14     | 34833 ||| SWAPPING to +9 broad axe "Kosum" {antimagic,
                  | rC+}.
 34834 | D:14     | 34834 ||| SWAPPING to +6 heavy broad axe.
 34835 | D:14     | 34835 ||| SWAPPING to +9 broad axe "Kosum" {antimagic,
                  | rC+}.
 34836 | D:14     | 34836 ||| SWAPPING to +6 heavy broad axe.
 34837 | D:14     | 34837 ||| SWAPPING to +9 broad axe "Kosum" {antimagic,
                  | rC+}.
 34838 | D:14     | 34838 ||| SWAPPING to +6 heavy broad axe.
 34839 | D:14     | 34839 ||| SWAPPING to +9 broad axe "Kosum" {antimagic,
                  | rC+}.
 34840 | D:14     | 34840 ||| SWAPPING to +6 heavy broad axe.
 34841 | D:14     | 34841 ||| SWAPPING to +9 broad axe "Kosum" {antimagic,
                  | rC+}.
 34842 | D:14     | 34842 ||| SWAPPING to +6 heavy broad axe.
 34843 | D:14     | 34843 ||| SWAPPING to +9 broad axe "Kosum" {antimagic,
                  | rC+}.
 34844 | D:14     | 34844 ||| SWAPPING to +6 heavy broad axe.
 34845 | D:14     | 34845 ||| SWAPPING to +9 broad axe "Kosum" {antimagic,
                  | rC+}.
 34846 | D:14     | 34846 ||| SWAPPING to +6 heavy broad axe.
 34847 | D:14     | 34847 ||| SWAPPING to +9 broad axe "Kosum" {antimagic,
                  | rC+}.
 34848 | D:14     | 34848 ||| SWAPPING to +6 heavy broad axe.
 34849 | D:14     | 34849 ||| SWAPPING to +9 broad axe "Kosum" {antimagic,
                  | rC+}.
 34850 | D:14     | 34850 ||| SWAPPING to +6 heavy broad axe.
 34851 | D:14     | 34851 ||| SWAPPING to +9 broad axe "Kosum" {antimagic,
                  | rC+}.
 34852 | D:14     | 34852 ||| SWAPPING to +6 heavy broad axe.
 34853 | D:14     | 34853 ||| SWAPPING to +9 broad axe "Kosum" {antimagic,
                  | rC+}.
 34854 | D:14     | 34854 ||| SWAPPING to +6 heavy broad axe.
 34855 | D:14     | 34855 ||| SWAPPING to +9 broad axe "Kosum" {antimagic,
                  | rC+}.
 34856 | D:14     | 34856 ||| SWAPPING to +6 heavy broad axe.
 34857 | D:14     | 34857 ||| SWAPPING to +9 broad axe "Kosum" {antimagic,
                  | rC+}.
 34858 | D:14     | 34858 ||| SWAPPING to +6 heavy broad axe.
 34859 | D:14     | 34859 ||| SWAPPING to +9 broad axe "Kosum" {antimagic,
                  | rC+}.
 34860 | D:14     | 34860 ||| SWAPPING to +6 heavy broad axe.
 34861 | D:14     | 34861 ||| SWAPPING to +9 broad axe "Kosum" {antimagic,
                  | rC+}.
 34862 | D:14     | 34862 ||| SWAPPING to +6 heavy broad axe.
 34863 | D:14     | 34863 ||| SWAPPING to +9 broad axe "Kosum" {antimagic,
                  | rC+}.
 34864 | D:14     | 34864 ||| SWAPPING to +6 heavy broad axe.
 34865 | D:14     | 34865 ||| SWAPPING to +9 broad axe "Kosum" {antimagic,
                  | rC+}.
 34866 | D:14     | 34866 ||| SWAPPING to +6 heavy broad axe.
 34867 | D:14     | 34867 ||| SWAPPING to +9 broad axe "Kosum" {antimagic,
                  | rC+}.
 34868 | D:14     | 34868 ||| SWAPPING to +6 heavy broad axe.
 34869 | D:14     | 34869 ||| SWAPPING to +9 broad axe "Kosum" {antimagic,
                  | rC+}.
 34870 | D:14     | 34870 ||| SWAPPING to +6 heavy broad axe.
 34871 | D:14     | 34871 ||| SWAPPING to +9 broad axe "Kosum" {antimagic,
                  | rC+}.
 34872 | D:14     | 34872 ||| SWAPPING to +6 heavy broad axe.
 34873 | D:14     | 34873 ||| SWAPPING to +9 broad axe "Kosum" {antimagic,
                  | rC+}.
 34874 | D:14     | 34874 ||| SWAPPING to +6 heavy broad axe.
 34875 | D:14     | 34875 ||| SWAPPING to +9 broad axe "Kosum" {antimagic,
                  | rC+}.
 34876 | D:14     | 34876 ||| SWAPPING to +6 heavy broad axe.
 34877 | D:14     | 34877 ||| SWAPPING to +9 broad axe "Kosum" {antimagic,
                  | rC+}.
 34878 | D:14     | 34878 ||| SWAPPING to +6 heavy broad axe.
 34879 | D:14     | 34879 ||| SWAPPING to +9 broad axe "Kosum" {antimagic,
                  | rC+}.
 34880 | D:14     | 34880 ||| SWAPPING to +6 heavy broad axe.
 34881 | D:14     | 34881 ||| SWAPPING to +9 broad axe "Kosum" {antimagic,
                  | rC+}.
 34882 | D:14     | 34882 ||| SWAPPING to +6 heavy broad axe.
 34883 | D:14     | 34883 ||| SWAPPING to +9 broad axe "Kosum" {antimagic,
                  | rC+}.
 34884 | D:14     | 34884 ||| SWAPPING to +6 heavy broad axe.
 34885 | D:14     | 34885 ||| SWAPPING to +9 broad axe "Kosum" {antimagic,
                  | rC+}.
 34886 | D:14     | 34886 ||| SWAPPING to +6 heavy broad axe.
 34887 | D:14     | 34887 ||| SWAPPING to +9 broad axe "Kosum" {antimagic,
                  | rC+}.
 34888 | D:14     | 34888 ||| SWAPPING to +6 heavy broad axe.
 34889 | D:14     | 34889 ||| SWAPPING to +9 broad axe "Kosum" {antimagic,
                  | rC+}.
 34890 | D:14     | 34890 ||| SWAPPING to +6 heavy broad axe.
 34891 | D:14     | 34891 ||| SWAPPING to +9 broad axe "Kosum" {antimagic,
                  | rC+}.
 34892 | D:14     | 34892 ||| SWAPPING to +6 heavy broad axe.
 34893 | D:14     | 34893 ||| SWAPPING to +9 broad axe "Kosum" {antimagic,
                  | rC+}.
 34894 | D:14     | 34894 ||| SWAPPING to +6 heavy broad axe.
 34895 | D:14     | 34895 ||| SWAPPING to +9 broad axe "Kosum" {antimagic,
                  | rC+}.
 34896 | D:14     | 34896 ||| SWAPPING to +6 heavy broad axe.
 34897 | D:14     | 34897 ||| SWAPPING to +9 broad axe "Kosum" {antimagic,
                  | rC+}.
 34898 | D:14     | 34898 ||| SWAPPING to +6 heavy broad axe.
 34899 | D:14     | 34899 ||| SWAPPING to +9 broad axe "Kosum" {antimagic,
                  | rC+}.
 34900 | D:14     | 34900 ||| SWAPPING to +6 heavy broad axe.
 34901 | D:14     | 34901 ||| SWAPPING to +9 broad axe "Kosum" {antimagic,
                  | rC+}.
 34902 | D:14     | 34902 ||| SWAPPING to +6 heavy broad axe.
 34903 | D:14     | 34903 ||| SWAPPING to +9 broad axe "Kosum" {antimagic,
                  | rC+}.
 34904 | D:14     | 34904 ||| SWAPPING to +6 heavy broad axe.
 34905 | D:14     | 34905 ||| SWAPPING to +9 broad axe "Kosum" {antimagic,
                  | rC+}.
 34906 | D:14     | 34906 ||| SWAPPING to +6 heavy broad axe.
 34907 | D:14     | 34907 ||| SWAPPING to +9 broad axe "Kosum" {antimagic,
                  | rC+}.
 34908 | D:14     | 34908 ||| SWAPPING to +6 heavy broad axe.
 34909 | D:14     | 34909 ||| SWAPPING to +9 broad axe "Kosum" {antimagic,
                  | rC+}.
 34910 | D:14     | 34910 ||| SWAPPING to +6 heavy broad axe.
 34911 | D:14     | 34911 ||| SWAPPING to +9 broad axe "Kosum" {antimagic,
                  | rC+}.
 34912 | D:14     | 34912 ||| SWAPPING to +6 heavy broad axe.
 34913 | D:14     | 34913 ||| SWAPPING to +9 broad axe "Kosum" {antimagic,
                  | rC+}.
 34914 | D:14     | 34914 ||| SWAPPING to +6 heavy broad axe.
 34915 | D:14     | 34915 ||| SWAPPING to +9 broad axe "Kosum" {antimagic,
                  | rC+}.
 34916 | D:14     | 34916 ||| SWAPPING to +6 heavy broad axe.
 34917 | D:14     | 34917 ||| SWAPPING to +9 broad axe "Kosum" {antimagic,
                  | rC+}.
 34918 | D:14     | 34918 ||| SWAPPING to +6 heavy broad axe.
 34919 | D:14     | 34919 ||| SWAPPING to +9 broad axe "Kosum" {antimagic,
                  | rC+}.
 34920 | D:14     | 34920 ||| SWAPPING to +6 heavy broad axe.
 34921 | D:14     | 34921 ||| SWAPPING to +9 broad axe "Kosum" {antimagic,
                  | rC+}.
 34922 | D:14     | 34922 ||| SWAPPING to +6 heavy broad axe.
 34923 | D:14     | 34923 ||| SWAPPING to +9 broad axe "Kosum" {antimagic,
                  | rC+}.
 34924 | D:14     | 34924 ||| SWAPPING to +6 heavy broad axe.
 34925 | D:14     | 34925 ||| SWAPPING to +9 broad axe "Kosum" {antimagic,
                  | rC+}.
 34926 | D:14     | 34926 ||| SWAPPING to +6 heavy broad axe.
 34927 | D:14     | 34927 ||| SWAPPING to +9 broad axe "Kosum" {antimagic,
                  | rC+}.
 34928 | D:14     | 34928 ||| SWAPPING to +6 heavy broad axe.
 34929 | D:14     | 34929 ||| SWAPPING to +9 broad axe "Kosum" {antimagic,
                  | rC+}.
 34930 | D:14     | 34930 ||| SWAPPING to +6 heavy broad axe.
 34931 | D:14     | 34931 ||| SWAPPING to +9 broad axe "Kosum" {antimagic,
                  | rC+}.
 34932 | D:14     | 34932 ||| SWAPPING to +6 heavy broad axe.
 34933 | D:14     | 34933 ||| SWAPPING to +9 broad axe "Kosum" {antimagic,
                  | rC+}.
 34934 | D:14     | 34934 ||| SWAPPING to +6 heavy broad axe.
 34935 | D:14     | 34935 ||| SWAPPING to +9 broad axe "Kosum" {antimagic,
                  | rC+}.
 34936 | D:14     | 34936 ||| SWAPPING to +6 heavy broad axe.
 34937 | D:14     | 34937 ||| SWAPPING to +9 broad axe "Kosum" {antimagic,
                  | rC+}.
 34938 | D:14     | 34938 ||| SWAPPING to +6 heavy broad axe.
 34939 | D:14     | 34939 ||| SWAPPING to +9 broad axe "Kosum" {antimagic,
                  | rC+}.
 34940 | D:14     | 34940 ||| SWAPPING to +6 heavy broad axe.
 34941 | D:14     | 34941 ||| SWAPPING to +9 broad axe "Kosum" {antimagic,
                  | rC+}.
 34942 | D:14     | 34942 ||| SWAPPING to +6 heavy broad axe.
 34943 | D:14     | 34943 ||| SWAPPING to +9 broad axe "Kosum" {antimagic,
                  | rC+}.
 34944 | D:14     | 34944 ||| SWAPPING to +6 heavy broad axe.
 34945 | D:14     | 34945 ||| SWAPPING to +9 broad axe "Kosum" {antimagic,
                  | rC+}.
 34946 | D:14     | 34946 ||| SWAPPING to +6 heavy broad axe.
 34947 | D:14     | 34947 ||| SWAPPING to +9 broad axe "Kosum" {antimagic,
                  | rC+}.
 34948 | D:14     | 34948 ||| SWAPPING to +6 heavy broad axe.
 34949 | D:14     | 34949 ||| SWAPPING to +9 broad axe "Kosum" {antimagic,
                  | rC+}.
 34950 | D:14     | 34950 ||| SWAPPING to +6 heavy broad axe.
 34951 | D:14     | 34951 ||| SWAPPING to +9 broad axe "Kosum" {antimagic,
                  | rC+}.
 34952 | D:14     | 34952 ||| SWAPPING to +6 heavy broad axe.
 34953 | D:14     | 34953 ||| SWAPPING to +9 broad axe "Kosum" {antimagic,
                  | rC+}.
 34954 | D:14     | 34954 ||| SWAPPING to +6 heavy broad axe.
 34955 | D:14     | 34955 ||| SWAPPING to +9 broad axe "Kosum" {antimagic,
                  | rC+}.
 34956 | D:14     | 34956 ||| SWAPPING to +6 heavy broad axe.
 34957 | D:14     | 34957 ||| SWAPPING to +9 broad axe "Kosum" {antimagic,
                  | rC+}.
 34958 | D:14     | 34958 ||| SWAPPING to +6 heavy broad axe.
 34959 | D:14     | 34959 ||| SWAPPING to +9 broad axe "Kosum" {antimagic,
                  | rC+}.
 34960 | D:14     | 34960 ||| SWAPPING to +6 heavy broad axe.
 34961 | D:14     | 34961 ||| SWAPPING to +9 broad axe "Kosum" {antimagic,
                  | rC+}.
 34962 | D:14     | 34962 ||| SWAPPING to +6 heavy broad axe.
 34963 | D:14     | 34963 ||| SWAPPING to +9 broad axe "Kosum" {antimagic,
                  | rC+}.
 34964 | D:14     | 34964 ||| SWAPPING to +6 heavy broad axe.
 34965 | D:14     | 34965 ||| SWAPPING to +9 broad axe "Kosum" {antimagic,
                  | rC+}.
 34966 | D:14     | 34966 ||| SWAPPING to +6 heavy broad axe.
 34967 | D:14     | 34967 ||| SWAPPING to +9 broad axe "Kosum" {antimagic,
                  | rC+}.
 34968 | D:14     | 34968 ||| SWAPPING to +6 heavy broad axe.
 34969 | D:14     | 34969 ||| SWAPPING to +9 broad axe "Kosum" {antimagic,
                  | rC+}.
 34970 | D:14     | 34970 ||| SWAPPING to +6 heavy broad axe.
 34971 | D:14     | 34971 ||| SWAPPING to +9 broad axe "Kosum" {antimagic,
                  | rC+}.
 34972 | D:14     | 34972 ||| SWAPPING to +6 heavy broad axe.
 34973 | D:14     | 34973 ||| SWAPPING to +9 broad axe "Kosum" {antimagic,
                  | rC+}.
 34974 | D:14     | 34974 ||| SWAPPING to +6 heavy broad axe.
 34975 | D:14     | 34975 ||| SWAPPING to +9 broad axe "Kosum" {antimagic,
                  | rC+}.
 34976 | D:14     | 34976 ||| SWAPPING to +6 heavy broad axe.
 34977 | D:14     | 34977 ||| SWAPPING to +9 broad axe "Kosum" {antimagic,
                  | rC+}.
 34978 | D:14     | 34978 ||| SWAPPING to +6 heavy broad axe.
 34979 | D:14     | 34979 ||| SWAPPING to +9 broad axe "Kosum" {antimagic,
                  | rC+}.
 34980 | D:14     | 34980 ||| SWAPPING to +6 heavy broad axe.
 34981 | D:14     | 34981 ||| SWAPPING to +9 broad axe "Kosum" {antimagic,
                  | rC+}.
 34982 | D:14     | 34982 ||| SWAPPING to +6 heavy broad axe.
 34983 | D:14     | 34983 ||| SWAPPING to +9 broad axe "Kosum" {antimagic,
                  | rC+}.
 34984 | D:14     | 34984 ||| SWAPPING to +6 heavy broad axe.
 34985 | D:14     | 34985 ||| SWAPPING to +9 broad axe "Kosum" {antimagic,
                  | rC+}.
 34986 | D:14     | 34986 ||| SWAPPING to +6 heavy broad axe.
 34987 | D:14     | 34987 ||| SWAPPING to +9 broad axe "Kosum" {antimagic,
                  | rC+}.
 34988 | D:14     | 34988 ||| SWAPPING to +6 heavy broad axe.
 34989 | D:14     | 34989 ||| SWAPPING to +9 broad axe "Kosum" {antimagic,
                  | rC+}.
 34990 | D:14     | 34990 ||| SWAPPING to +6 heavy broad axe.
 34991 | D:14     | 34991 ||| SWAPPING to +9 broad axe "Kosum" {antimagic,
                  | rC+}.
 34992 | D:14     | 34992 ||| SWAPPING to +6 heavy broad axe.
 34993 | D:14     | 34993 ||| SWAPPING to +9 broad axe "Kosum" {antimagic,
                  | rC+}.
 34994 | D:14     | 34994 ||| SWAPPING to +6 heavy broad axe.
 34995 | D:14     | 34995 ||| SWAPPING to +9 broad axe "Kosum" {antimagic,
                  | rC+}.
 34996 | D:14     | 34996 ||| SWAPPING to +6 heavy broad axe.
 34997 | D:14     | 34997 ||| SWAPPING to +9 broad axe "Kosum" {antimagic,
                  | rC+}.
 34998 | D:14     | 34998 ||| SWAPPING to +6 heavy broad axe.
 34999 | D:14     | 34999 ||| SWAPPING to +9 broad axe "Kosum" {antimagic,
                  | rC+}.
 35000 | D:14     | 35000 ||| SWAPPING to +6 heavy broad axe.
 35001 | D:14     | 35001 ||| SWAPPING to +9 broad axe "Kosum" {antimagic,
                  | rC+}.
 35002 | D:14     | 35002 ||| SWAPPING to +6 heavy broad axe.
 35003 | D:14     | 35003 ||| SWAPPING to +9 broad axe "Kosum" {antimagic,
                  | rC+}.
 35004 | D:14     | 35004 ||| SWAPPING to +6 heavy broad axe.
 35005 | D:14     | 35005 ||| SWAPPING to +9 broad axe "Kosum" {antimagic,
                  | rC+}.
 35006 | D:14     | 35006 ||| SWAPPING to +6 heavy broad axe.
 35007 | D:14     | 35007 ||| SWAPPING to +9 broad axe "Kosum" {antimagic,
                  | rC+}.
 35008 | D:14     | 35008 ||| SWAPPING to +6 heavy broad axe.
 35009 | D:14     | 35009 ||| SWAPPING to +9 broad axe "Kosum" {antimagic,
                  | rC+}.
 35010 | D:14     | 35010 ||| SWAPPING to +6 heavy broad axe.
 35011 | D:14     | 35011 ||| SWAPPING to +9 broad axe "Kosum" {antimagic,
                  | rC+}.
 35012 | D:14     | 35012 ||| SWAPPING to +6 heavy broad axe.
 35013 | D:14     | 35013 ||| SWAPPING to +9 broad axe "Kosum" {antimagic,
                  | rC+}.
 35014 | D:14     | 35014 ||| SWAPPING to +6 heavy broad axe.
 35015 | D:14     | 35015 ||| SWAPPING to +9 broad axe "Kosum" {antimagic,
                  | rC+}.
 35016 | D:14     | 35016 ||| SWAPPING to +6 heavy broad axe.
 35017 | D:14     | 35017 ||| SWAPPING to +9 broad axe "Kosum" {antimagic,
                  | rC+}.
 35018 | D:14     | 35018 ||| SWAPPING to +6 heavy broad axe.
 35019 | D:14     | 35019 ||| SWAPPING to +9 broad axe "Kosum" {antimagic,
                  | rC+}.
 35020 | D:14     | 35020 ||| SWAPPING to +6 heavy broad axe.
 35021 | D:14     | 35021 ||| SWAPPING to +9 broad axe "Kosum" {antimagic,
                  | rC+}.
 35022 | D:14     | 35022 ||| SWAPPING to +6 heavy broad axe.
 35023 | D:14     | 35023 ||| SWAPPING to +9 broad axe "Kosum" {antimagic,
                  | rC+}.
 35024 | D:14     | 35024 ||| SWAPPING to +6 heavy broad axe.
 35025 | D:14     | 35025 ||| SWAPPING to +9 broad axe "Kosum" {antimagic,
                  | rC+}.
 35026 | D:14     | 35026 ||| SWAPPING to +6 heavy broad axe.
 35027 | D:14     | 35027 ||| SWAPPING to +9 broad axe "Kosum" {antimagic,
                  | rC+}.
 35028 | D:14     | 35028 ||| SWAPPING to +6 heavy broad axe.
 35029 | D:14     | 35029 ||| SWAPPING to +9 broad axe "Kosum" {antimagic,
                  | rC+}.
 35030 | D:14     | 35030 ||| SWAPPING to +6 heavy broad axe.
 35031 | D:14     | 35031 ||| SWAPPING to +9 broad axe "Kosum" {antimagic,
                  | rC+}.
 35032 | D:14     | 35032 ||| SWAPPING to +6 heavy broad axe.
 35033 | D:14     | 35033 ||| SWAPPING to +9 broad axe "Kosum" {antimagic,
                  | rC+}.
 35034 | D:14     | 35034 ||| SWAPPING to +6 heavy broad axe.
 35035 | D:14     | 35035 ||| SWAPPING to +9 broad axe "Kosum" {antimagic,
                  | rC+}.
 35036 | D:14     | 35036 ||| SWAPPING to +6 heavy broad axe.
 35037 | D:14     | 35037 ||| SWAPPING to +9 broad axe "Kosum" {antimagic,
                  | rC+}.
 35038 | D:14     | 35038 ||| SWAPPING to +6 heavy broad axe.
 35039 | D:14     | 35039 ||| SWAPPING to +9 broad axe "Kosum" {antimagic,
                  | rC+}.
 35040 | D:14     | 35040 ||| SWAPPING to +6 heavy broad axe.
 35041 | D:14     | 35041 ||| SWAPPING to +9 broad axe "Kosum" {antimagic,
                  | rC+}.
 35042 | D:14     | 35042 ||| SWAPPING to +6 heavy broad axe.
 35043 | D:14     | 35043 ||| SWAPPING to +9 broad axe "Kosum" {antimagic,
                  | rC+}.
 35044 | D:14     | 35044 ||| SWAPPING to +6 heavy broad axe.
 35045 | D:14     | 35045 ||| SWAPPING to +9 broad axe "Kosum" {antimagic,
                  | rC+}.
 35046 | D:14     | 35046 ||| SWAPPING to +6 heavy broad axe.
 35047 | D:14     | 35047 ||| SWAPPING to +9 broad axe "Kosum" {antimagic,
                  | rC+}.
 35048 | D:14     | 35048 ||| SWAPPING to +6 heavy broad axe.
 35049 | D:14     | 35049 ||| SWAPPING to +9 broad axe "Kosum" {antimagic,
                  | rC+}.
 35050 | D:14     | 35050 ||| SWAPPING to +6 heavy broad axe.
 35051 | D:14     | 35051 ||| SWAPPING to +9 broad axe "Kosum" {antimagic,
                  | rC+}.
 35052 | D:14     | 35052 ||| SWAPPING to +6 heavy broad axe.
 35053 | D:14     | 35053 ||| SWAPPING to +9 broad axe "Kosum" {antimagic,
                  | rC+}.
 35054 | D:14     | 35054 ||| SWAPPING to +6 heavy broad axe.
 35055 | D:14     | 35055 ||| SWAPPING to +9 broad axe "Kosum" {antimagic,
                  | rC+}.
 35056 | D:14     | 35056 ||| SWAPPING to +6 heavy broad axe.
 35057 | D:14     | 35057 ||| SWAPPING to +9 broad axe "Kosum" {antimagic,
                  | rC+}.
 35058 | D:14     | 35058 ||| SWAPPING to +6 heavy broad axe.
 35059 | D:14     | 35059 ||| SWAPPING to +9 broad axe "Kosum" {antimagic,
                  | rC+}.
 35060 | D:14     | 35060 ||| SWAPPING to +6 heavy broad axe.
 35061 | D:14     | 35061 ||| SWAPPING to +9 broad axe "Kosum" {antimagic,
                  | rC+}.
 35062 | D:14     | 35062 ||| SWAPPING to +6 heavy broad axe.
 35063 | D:14     | 35063 ||| SWAPPING to +9 broad axe "Kosum" {antimagic,
                  | rC+}.
 35064 | D:14     | 35064 ||| SWAPPING to +6 heavy broad axe.
 35065 | D:14     | 35065 ||| SWAPPING to +9 broad axe "Kosum" {antimagic,
                  | rC+}.
 35066 | D:14     | 35066 ||| SWAPPING to +6 heavy broad axe.
 35067 | D:14     | 35067 ||| SWAPPING to +9 broad axe "Kosum" {antimagic,
                  | rC+}.
 35068 | D:14     | 35068 ||| SWAPPING to +6 heavy broad axe.
 35069 | D:14     | 35069 ||| SWAPPING to +9 broad axe "Kosum" {antimagic,
                  | rC+}.
 35070 | D:14     | 35070 ||| SWAPPING to +6 heavy broad axe.
 35071 | D:14     | 35071 ||| SWAPPING to +9 broad axe "Kosum" {antimagic,
                  | rC+}.
 35072 | D:14     | 35072 ||| SWAPPING to +6 heavy broad axe.
 35073 | D:14     | 35073 ||| SWAPPING to +9 broad axe "Kosum" {antimagic,
                  | rC+}.
 35074 | D:14     | 35074 ||| SWAPPING to +6 heavy broad axe.
 35075 | D:14     | 35075 ||| SWAPPING to +9 broad axe "Kosum" {antimagic,
                  | rC+}.
 35076 | D:14     | 35076 ||| SWAPPING to +6 heavy broad axe.
 35077 | D:14     | 35077 ||| SWAPPING to +9 broad axe "Kosum" {antimagic,
                  | rC+}.
 35078 | D:14     | 35078 ||| SWAPPING to +6 heavy broad axe.
 35079 | D:14     | 35079 ||| SWAPPING to +9 broad axe "Kosum" {antimagic,
                  | rC+}.
 35080 | D:14     | 35080 ||| SWAPPING to +6 heavy broad axe.
 35081 | D:14     | 35081 ||| SWAPPING to +9 broad axe "Kosum" {antimagic,
                  | rC+}.
 35082 | D:14     | 35082 ||| SWAPPING to +6 heavy broad axe.
 35083 | D:14     | 35083 ||| SWAPPING to +9 broad axe "Kosum" {antimagic,
                  | rC+}.
 35084 | D:14     | 35084 ||| SWAPPING to +6 heavy broad axe.
 35085 | D:14     | 35085 ||| SWAPPING to +9 broad axe "Kosum" {antimagic,
                  | rC+}.
 35086 | D:14     | 35086 ||| SWAPPING to +6 heavy broad axe.
 35087 | D:14     | 35087 ||| SWAPPING to +9 broad axe "Kosum" {antimagic,
                  | rC+}.
 35088 | D:14     | 35088 ||| SWAPPING to +6 heavy broad axe.
 35089 | D:14     | 35089 ||| SWAPPING to +9 broad axe "Kosum" {antimagic,
                  | rC+}.
 35090 | D:14     | 35090 ||| SWAPPING to +6 heavy broad axe.
 35091 | D:14     | 35091 ||| SWAPPING to +9 broad axe "Kosum" {antimagic,
                  | rC+}.
 35092 | D:14     | 35092 ||| SWAPPING to +6 heavy broad axe.
 35093 | D:14     | 35093 ||| SWAPPING to +9 broad axe "Kosum" {antimagic,
                  | rC+}.
 35094 | D:14     | 35094 ||| SWAPPING to +6 heavy broad axe.
 35095 | D:14     | 35095 ||| SWAPPING to +9 broad axe "Kosum" {antimagic,
                  | rC+}.
 35096 | D:14     | 35096 ||| SWAPPING to +6 heavy broad axe.
 35097 | D:14     | 35097 ||| SWAPPING to +9 broad axe "Kosum" {antimagic,
                  | rC+}.
 35098 | D:14     | 35098 ||| SWAPPING to +6 heavy broad axe.
 35099 | D:14     | 35099 ||| SWAPPING to +9 broad axe "Kosum" {antimagic,
                  | rC+}.
 35100 | D:14     | 35100 ||| SWAPPING to +6 heavy broad axe.
 35101 | D:14     | 35101 ||| SWAPPING to +9 broad axe "Kosum" {antimagic,
                  | rC+}.
 35102 | D:14     | 35102 ||| SWAPPING to +6 heavy broad axe.
 35103 | D:14     | 35103 ||| SWAPPING to +9 broad axe "Kosum" {antimagic,
                  | rC+}.
 35104 | D:14     | 35104 ||| SWAPPING to +6 heavy broad axe.
 35105 | D:14     | 35105 ||| SWAPPING to +9 broad axe "Kosum" {antimagic,
                  | rC+}.
 35106 | D:14     | 35106 ||| SWAPPING to +6 heavy broad axe.
 35107 | D:14     | 35107 ||| SWAPPING to +9 broad axe "Kosum" {antimagic,
                  | rC+}.
 35108 | D:14     | 35108 ||| SWAPPING to +6 heavy broad axe.
 35109 | D:14     | 35109 ||| SWAPPING to +9 broad axe "Kosum" {antimagic,
                  | rC+}.
 35110 | D:14     | 35110 ||| SWAPPING to +6 heavy broad axe.
 35111 | D:14     | 35111 ||| SWAPPING to +9 broad axe "Kosum" {antimagic,
                  | rC+}.
 35112 | D:14     | 35112 ||| SWAPPING to +6 heavy broad axe.
 35113 | D:14     | 35113 ||| SWAPPING to +9 broad axe "Kosum" {antimagic,
                  | rC+}.
 35114 | D:14     | 35114 ||| SWAPPING to +6 heavy broad axe.
 35115 | D:14     | 35115 ||| SWAPPING to +9 broad axe "Kosum" {antimagic,
                  | rC+}.
 35116 | D:14     | 35116 ||| SWAPPING to +6 heavy broad axe.
 35117 | D:14     | 35117 ||| SWAPPING to +9 broad axe "Kosum" {antimagic,
                  | rC+}.
 35118 | D:14     | 35118 ||| SWAPPING to +6 heavy broad axe.
 35119 | D:14     | 35119 ||| SWAPPING to +9 broad axe "Kosum" {antimagic,
                  | rC+}.
 35120 | D:14     | 35120 ||| SWAPPING to +6 heavy broad axe.
 35121 | D:14     | 35121 ||| SWAPPING to +9 broad axe "Kosum" {antimagic,
                  | rC+}.
 35122 | D:14     | 35122 ||| SWAPPING to +6 heavy broad axe.
 35123 | D:14     | 35123 ||| SWAPPING to +9 broad axe "Kosum" {antimagic,
                  | rC+}.
 35124 | D:14     | 35124 ||| SWAPPING to +6 heavy broad axe.
 35125 | D:14     | 35125 ||| SWAPPING to +9 broad axe "Kosum" {antimagic,
                  | rC+}.
 35126 | D:14     | 35126 ||| SWAPPING to +6 heavy broad axe.
 35127 | D:14     | 35127 ||| SWAPPING to +9 broad axe "Kosum" {antimagic,
                  | rC+}.
 35128 | D:14     | 35128 ||| SWAPPING to +6 heavy broad axe.
 35129 | D:14     | 35129 ||| SWAPPING to +9 broad axe "Kosum" {antimagic,
                  | rC+}.
 35130 | D:14     | 35130 ||| SWAPPING to +6 heavy broad axe.
 35131 | D:14     | 35131 ||| SWAPPING to +9 broad axe "Kosum" {antimagic,
                  | rC+}.
 35132 | D:14     | 35132 ||| SWAPPING to +6 heavy broad axe.
 35133 | D:14     | 35133 ||| SWAPPING to +9 broad axe "Kosum" {antimagic,
                  | rC+}.
 35134 | D:14     | 35134 ||| SWAPPING to +6 heavy broad axe.
 35135 | D:14     | 35135 ||| SWAPPING to +9 broad axe "Kosum" {antimagic,
                  | rC+}.
 35136 | D:14     | 35136 ||| SWAPPING to +6 heavy broad axe.
 35137 | D:14     | 35137 ||| SWAPPING to +9 broad axe "Kosum" {antimagic,
                  | rC+}.
 35138 | D:14     | 35138 ||| SWAPPING to +6 heavy broad axe.
 35139 | D:14     | 35139 ||| SWAPPING to +9 broad axe "Kosum" {antimagic,
                  | rC+}.
 35140 | D:14     | 35140 ||| SWAPPING to +6 heavy broad axe.
 35141 | D:14     | 35141 ||| SWAPPING to +9 broad axe "Kosum" {antimagic,
                  | rC+}.
 35142 | D:14     | 35142 ||| SWAPPING to +6 heavy broad axe.
 35143 | D:14     | 35143 ||| SWAPPING to +9 broad axe "Kosum" {antimagic,
                  | rC+}.
 35144 | D:14     | 35144 ||| SWAPPING to +6 heavy broad axe.
 35145 | D:14     | 35145 ||| SWAPPING to +9 broad axe "Kosum" {antimagic,
                  | rC+}.
 35146 | D:14     | 35146 ||| SWAPPING to +6 heavy broad axe.
 35147 | D:14     | 35147 ||| SWAPPING to +9 broad axe "Kosum" {antimagic,
                  | rC+}.
 35148 | D:14     | 35148 ||| SWAPPING to +6 heavy broad axe.
 35149 | D:14     | 35149 ||| SWAPPING to +9 broad axe "Kosum" {antimagic,
                  | rC+}.
 35150 | D:14     | 35150 ||| SWAPPING to +6 heavy broad axe.
 35151 | D:14     | 35151 ||| SWAPPING to +9 broad axe "Kosum" {antimagic,
                  | rC+}.
 35152 | D:14     | 35152 ||| SWAPPING to +6 heavy broad axe.
 35153 | D:14     | 35153 ||| SWAPPING to +9 broad axe "Kosum" {antimagic,
                  | rC+}.
 35154 | D:14     | 35154 ||| SWAPPING to +6 heavy broad axe.
 35155 | D:14     | 35155 ||| SWAPPING to +9 broad axe "Kosum" {antimagic,
                  | rC+}.
 35156 | D:14     | 35156 ||| SWAPPING to +6 heavy broad axe.
 35157 | D:14     | 35157 ||| SWAPPING to +9 broad axe "Kosum" {antimagic,
                  | rC+}.
 35158 | D:14     | 35158 ||| SWAPPING to +6 heavy broad axe.
 35159 | D:14     | 35159 ||| SWAPPING to +9 broad axe "Kosum" {antimagic,
                  | rC+}.
 35160 | D:14     | 35160 ||| SWAPPING to +6 heavy broad axe.
 35161 | D:14     | 35161 ||| SWAPPING to +9 broad axe "Kosum" {antimagic,
                  | rC+}.
 35162 | D:14     | 35162 ||| SWAPPING to +6 heavy broad axe.
 35163 | D:14     | 35163 ||| SWAPPING to +9 broad axe "Kosum" {antimagic,
                  | rC+}.
 35164 | D:14     | 35164 ||| SWAPPING to +6 heavy broad axe.
 35165 | D:14     | 35165 ||| SWAPPING to +9 broad axe "Kosum" {antimagic,
                  | rC+}.
 35166 | D:14     | 35166 ||| SWAPPING to +6 heavy broad axe.
 35167 | D:14     | 35167 ||| SWAPPING to +9 broad axe "Kosum" {antimagic,
                  | rC+}.
 35168 | D:14     | 35168 ||| SWAPPING to +6 heavy broad axe.
 35169 | D:14     | 35169 ||| SWAPPING to +9 broad axe "Kosum" {antimagic,
                  | rC+}.
 35170 | D:14     | 35170 ||| SWAPPING to +6 heavy broad axe.
 35171 | D:14     | 35171 ||| SWAPPING to +9 broad axe "Kosum" {antimagic,
                  | rC+}.
 35172 | D:14     | 35172 ||| SWAPPING to +6 heavy broad axe.
 35173 | D:14     | 35173 ||| SWAPPING to +9 broad axe "Kosum" {antimagic,
                  | rC+}.
 35174 | D:14     | 35174 ||| SWAPPING to +6 heavy broad axe.
 35175 | D:14     | 35175 ||| SWAPPING to +9 broad axe "Kosum" {antimagic,
                  | rC+}.
 35176 | D:14     | 35176 ||| SWAPPING to +6 heavy broad axe.
 35177 | D:14     | 35177 ||| SWAPPING to +9 broad axe "Kosum" {antimagic,
                  | rC+}.
 35178 | D:14     | 35178 ||| SWAPPING to +6 heavy broad axe.
 35179 | D:14     | 35179 ||| SWAPPING to +9 broad axe "Kosum" {antimagic,
                  | rC+}.
 35180 | D:14     | 35180 ||| SWAPPING to +6 heavy broad axe.
 35181 | D:14     | 35181 ||| SWAPPING to +9 broad axe "Kosum" {antimagic,
                  | rC+}.
 35182 | D:14     | 35182 ||| SWAPPING to +6 heavy broad axe.
 35183 | D:14     | 35183 ||| SWAPPING to +9 broad axe "Kosum" {antimagic,
                  | rC+}.
 35184 | D:14     | 35184 ||| SWAPPING to +6 heavy broad axe.
 35185 | D:14     | 35185 ||| SWAPPING to +9 broad axe "Kosum" {antimagic,
                  | rC+}.
 35186 | D:14     | 35186 ||| SWAPPING to +6 heavy broad axe.
 35187 | D:14     | 35187 ||| SWAPPING to +9 broad axe "Kosum" {antimagic,
                  | rC+}.
 35188 | D:14     | 35188 ||| SWAPPING to +6 heavy broad axe.
 35189 | D:14     | 35189 ||| SWAPPING to +9 broad axe "Kosum" {antimagic,
                  | rC+}.
 35190 | D:14     | 35190 ||| SWAPPING to +6 heavy broad axe.
 35191 | D:14     | 35191 ||| SWAPPING to +9 broad axe "Kosum" {antimagic,
                  | rC+}.
 35192 | D:14     | 35192 ||| SWAPPING to +6 heavy broad axe.
 35193 | D:14     | 35193 ||| SWAPPING to +9 broad axe "Kosum" {antimagic,
                  | rC+}.
 35194 | D:14     | 35194 ||| SWAPPING to +6 heavy broad axe.
 35195 | D:14     | 35195 ||| SWAPPING to +9 broad axe "Kosum" {antimagic,
                  | rC+}.
 35196 | D:14     | 35196 ||| SWAPPING to +6 heavy broad axe.
 35197 | D:14     | 35197 ||| SWAPPING to +9 broad axe "Kosum" {antimagic,
                  | rC+}.
 35198 | D:14     | 35198 ||| SWAPPING to +6 heavy broad axe.
 35199 | D:14     | 35199 ||| SWAPPING to +9 broad axe "Kosum" {antimagic,
                  | rC+}.
 35200 | D:14     | 35200 ||| SWAPPING to +6 heavy broad axe.
 35201 | D:14     | 35201 ||| SWAPPING to +9 broad axe "Kosum" {antimagic,
                  | rC+}.
 35202 | D:14     | 35202 ||| SWAPPING to +6 heavy broad axe.
 35203 | D:14     | 35203 ||| SWAPPING to +9 broad axe "Kosum" {antimagic,
                  | rC+}.
 35204 | D:14     | 35204 ||| SWAPPING to +6 heavy broad axe.
 35205 | D:14     | 35205 ||| SWAPPING to +9 broad axe "Kosum" {antimagic,
                  | rC+}.
 35206 | D:14     | 35206 ||| SWAPPING to +6 heavy broad axe.
 35207 | D:14     | 35207 ||| SWAPPING to +9 broad axe "Kosum" {antimagic,
                  | rC+}.
 35208 | D:14     | 35208 ||| SWAPPING to +6 heavy broad axe.
 35209 | D:14     | 35209 ||| SWAPPING to +9 broad axe "Kosum" {antimagic,
                  | rC+}.
 35210 | D:14     | 35210 ||| SWAPPING to +6 heavy broad axe.
 35211 | D:14     | 35211 ||| SWAPPING to +9 broad axe "Kosum" {antimagic,
                  | rC+}.
 35212 | D:14     | 35212 ||| SWAPPING to +6 heavy broad axe.
 35213 | D:14     | 35213 ||| SWAPPING to +9 broad axe "Kosum" {antimagic,
                  | rC+}.
 35214 | D:14     | 35214 ||| SWAPPING to +6 heavy broad axe.
 35215 | D:14     | 35215 ||| SWAPPING to +9 broad axe "Kosum" {antimagic,
                  | rC+}.
 35216 | D:14     | 35216 ||| SWAPPING to +6 heavy broad axe.
 35217 | D:14     | 35217 ||| SWAPPING to +9 broad axe "Kosum" {antimagic,
                  | rC+}.
 35218 | D:14     | 35218 ||| SWAPPING to +6 heavy broad axe.
 35219 | D:14     | 35219 ||| SWAPPING to +9 broad axe "Kosum" {antimagic,
                  | rC+}.
 35220 | D:14     | 35220 ||| SWAPPING to +6 heavy broad axe.
 35221 | D:14     | 35221 ||| SWAPPING to +9 broad axe "Kosum" {antimagic,
                  | rC+}.
 35222 | D:14     | 35222 ||| SWAPPING to +6 heavy broad axe.
 35223 | D:14     | 35223 ||| SWAPPING to +9 broad axe "Kosum" {antimagic,
                  | rC+}.
 35224 | D:14     | 35224 ||| SWAPPING to +6 heavy broad axe.
 35225 | D:14     | 35225 ||| SWAPPING to +9 broad axe "Kosum" {antimagic,
                  | rC+}.
 35226 | D:14     | 35226 ||| SWAPPING to +6 heavy broad axe.
 35227 | D:14     | 35227 ||| SWAPPING to +9 broad axe "Kosum" {antimagic,
                  | rC+}.
 35228 | D:14     | 35228 ||| SWAPPING to +6 heavy broad axe.
 35229 | D:14     | 35229 ||| SWAPPING to +9 broad axe "Kosum" {antimagic,
                  | rC+}.
 35230 | D:14     | 35230 ||| SWAPPING to +6 heavy broad axe.
 35231 | D:14     | 35231 ||| SWAPPING to +9 broad axe "Kosum" {antimagic,
                  | rC+}.
 35232 | D:14     | 35232 ||| SWAPPING to +6 heavy broad axe.
 35233 | D:14     | 35233 ||| SWAPPING to +9 broad axe "Kosum" {antimagic,
                  | rC+}.
 35234 | D:14     | 35234 ||| SWAPPING to +6 heavy broad axe.
 35235 | D:14     | 35235 ||| SWAPPING to +9 broad axe "Kosum" {antimagic,
                  | rC+}.
 35236 | D:14     | 35236 ||| SWAPPING to +6 heavy broad axe.
 35237 | D:14     | 35237 ||| SWAPPING to +9 broad axe "Kosum" {antimagic,
                  | rC+}.
 35238 | D:14     | 35238 ||| SWAPPING to +6 heavy broad axe.
 35239 | D:14     | 35239 ||| SWAPPING to +9 broad axe "Kosum" {antimagic,
                  | rC+}.
 35240 | D:14     | 35240 ||| SWAPPING to +6 heavy broad axe.
 35241 | D:14     | 35241 ||| SWAPPING to +9 broad axe "Kosum" {antimagic,
                  | rC+}.
 35242 | D:14     | 35242 ||| SWAPPING to +6 heavy broad axe.
 35243 | D:14     | 35243 ||| SWAPPING to +9 broad axe "Kosum" {antimagic,
                  | rC+}.
 35244 | D:14     | 35244 ||| SWAPPING to +6 heavy broad axe.
 35245 | D:14     | 35245 ||| SWAPPING to +9 broad axe "Kosum" {antimagic,
                  | rC+}.
 35246 | D:14     | 35246 ||| SWAPPING to +6 heavy broad axe.
 35247 | D:14     | 35247 ||| SWAPPING to +9 broad axe "Kosum" {antimagic,
                  | rC+}.
 35248 | D:14     | 35248 ||| SWAPPING to +6 heavy broad axe.
 35249 | D:14     | 35249 ||| SWAPPING to +9 broad axe "Kosum" {antimagic,
                  | rC+}.
 35250 | D:14     | 35250 ||| SWAPPING to +6 heavy broad axe.
 35251 | D:14     | 35251 ||| SWAPPING to +9 broad axe "Kosum" {antimagic,
                  | rC+}.
 35252 | D:14     | 35252 ||| SWAPPING to +6 heavy broad axe.
 35253 | D:14     | 35253 ||| SWAPPING to +9 broad axe "Kosum" {antimagic,
                  | rC+}.
 35254 | D:14     | 35254 ||| SWAPPING to +6 heavy broad axe.
 35255 | D:14     | 35255 ||| SWAPPING to +9 broad axe "Kosum" {antimagic,
                  | rC+}.
 35256 | D:14     | 35256 ||| SWAPPING to +6 heavy broad axe.
 35257 | D:14     | 35257 ||| SWAPPING to +9 broad axe "Kosum" {antimagic,
                  | rC+}.
 35258 | D:14     | 35258 ||| SWAPPING to +6 heavy broad axe.
 35259 | D:14     | 35259 ||| SWAPPING to +9 broad axe "Kosum" {antimagic,
                  | rC+}.
 35260 | D:14     | 35260 ||| SWAPPING to +6 heavy broad axe.
 35261 | D:14     | 35261 ||| SWAPPING to +9 broad axe "Kosum" {antimagic,
                  | rC+}.
 35262 | D:14     | 35262 ||| SWAPPING to +6 heavy broad axe.
 35263 | D:14     | 35263 ||| SWAPPING to +9 broad axe "Kosum" {antimagic,
                  | rC+}.
 35264 | D:14     | 35264 ||| SWAPPING to +6 heavy broad axe.
 35265 | D:14     | 35265 ||| SWAPPING to +9 broad axe "Kosum" {antimagic,
                  | rC+}.
 35266 | D:14     | 35266 ||| SWAPPING to +6 heavy broad axe.
 35267 | D:14     | 35267 ||| SWAPPING to +9 broad axe "Kosum" {antimagic,
                  | rC+}.
 35268 | D:14     | 35268 ||| SWAPPING to +6 heavy broad axe.
 35269 | D:14     | 35269 ||| SWAPPING to +9 broad axe "Kosum" {antimagic,
                  | rC+}.
 35270 | D:14     | 35270 ||| SWAPPING to +6 heavy broad axe.
 35271 | D:14     | 35271 ||| SWAPPING to +9 broad axe "Kosum" {antimagic,
                  | rC+}.
 35272 | D:14     | 35272 ||| SWAPPING to +6 heavy broad axe.
 35273 | D:14     | 35273 ||| SWAPPING to +9 broad axe "Kosum" {antimagic,
                  | rC+}.
 35274 | D:14     | 35274 ||| SWAPPING to +6 heavy broad axe.
 35275 | D:14     | 35275 ||| SWAPPING to +9 broad axe "Kosum" {antimagic,
                  | rC+}.
 35276 | D:14     | 35276 ||| SWAPPING to +6 heavy broad axe.
 35277 | D:14     | 35277 ||| SWAPPING to +9 broad axe "Kosum" {antimagic,
                  | rC+}.
 35278 | D:14     | 35278 ||| SWAPPING to +6 heavy broad axe.
 35279 | D:14     | 35279 ||| SWAPPING to +9 broad axe "Kosum" {antimagic,
                  | rC+}.
 35280 | D:14     | 35280 ||| SWAPPING to +6 heavy broad axe.
 35281 | D:14     | 35281 ||| SWAPPING to +9 broad axe "Kosum" {antimagic,
                  | rC+}.
 35282 | D:14     | 35282 ||| SWAPPING to +6 heavy broad axe.
 35283 | D:14     | 35283 ||| SWAPPING to +9 broad axe "Kosum" {antimagic,
                  | rC+}.
 35284 | D:14     | 35284 ||| SWAPPING to +6 heavy broad axe.
 35285 | D:14     | 35285 ||| SWAPPING to +9 broad axe "Kosum" {antimagic,
                  | rC+}.
 35286 | D:14     | 35286 ||| SWAPPING to +6 heavy broad axe.
 35287 | D:14     | 35287 ||| SWAPPING to +9 broad axe "Kosum" {antimagic,
                  | rC+}.
 35288 | D:14     | 35288 ||| SWAPPING to +6 heavy broad axe.
 35289 | D:14     | 35289 ||| SWAPPING to +9 broad axe "Kosum" {antimagic,
                  | rC+}.
 35290 | D:14     | 35290 ||| SWAPPING to +6 heavy broad axe.
 35291 | D:14     | 35291 ||| SWAPPING to +9 broad axe "Kosum" {antimagic,
                  | rC+}.
 35292 | D:14     | 35292 ||| SWAPPING to +6 heavy broad axe.
 35293 | D:14     | 35293 ||| SWAPPING to +9 broad axe "Kosum" {antimagic,
                  | rC+}.
 35294 | D:14     | 35294 ||| SWAPPING to +6 heavy broad axe.
 35295 | D:14     | 35295 ||| SWAPPING to +9 broad axe "Kosum" {antimagic,
                  | rC+}.
 35296 | D:14     | 35296 ||| SWAPPING to +6 heavy broad axe.
 35297 | D:14     | 35297 ||| SWAPPING to +9 broad axe "Kosum" {antimagic,
                  | rC+}.
 35298 | D:14     | 35298 ||| SWAPPING to +6 heavy broad axe.
 35299 | D:14     | 35299 ||| SWAPPING to +9 broad axe "Kosum" {antimagic,
                  | rC+}.
 35300 | D:14     | 35300 ||| SWAPPING to +6 heavy broad axe.
 35301 | D:14     | 35301 ||| SWAPPING to +9 broad axe "Kosum" {antimagic,
                  | rC+}.
 35302 | D:14     | 35302 ||| SWAPPING to +6 heavy broad axe.
 35303 | D:14     | 35303 ||| SWAPPING to +9 broad axe "Kosum" {antimagic,
                  | rC+}.
 35304 | D:14     | 35304 ||| SWAPPING to +6 heavy broad axe.
 35305 | D:14     | 35305 ||| SWAPPING to +9 broad axe "Kosum" {antimagic,
                  | rC+}.
 35306 | D:14     | 35306 ||| SWAPPING to +6 heavy broad axe.
 35307 | D:14     | 35307 ||| SWAPPING to +9 broad axe "Kosum" {antimagic,
                  | rC+}.
 35308 | D:14     | 35308 ||| SWAPPING to +6 heavy broad axe.
 35309 | D:14     | 35309 ||| SWAPPING to +9 broad axe "Kosum" {antimagic,
                  | rC+}.
 35310 | D:14     | 35310 ||| SWAPPING to +6 heavy broad axe.
 35311 | D:14     | 35311 ||| SWAPPING to +9 broad axe "Kosum" {antimagic,
                  | rC+}.
 35312 | D:14     | 35312 ||| SWAPPING to +6 heavy broad axe.
 35313 | D:14     | 35313 ||| SWAPPING to +9 broad axe "Kosum" {antimagic,
                  | rC+}.
 35314 | D:14     | 35314 ||| SWAPPING to +6 heavy broad axe.
 35315 | D:14     | 35315 ||| SWAPPING to +9 broad axe "Kosum" {antimagic,
                  | rC+}.
 35316 | D:14     | 35316 ||| SWAPPING to +6 heavy broad axe.
 35317 | D:14     | 35317 ||| SWAPPING to +9 broad axe "Kosum" {antimagic,
                  | rC+}.
 35318 | D:14     | 35318 ||| SWAPPING to +6 heavy broad axe.
 35319 | D:14     | 35319 ||| SWAPPING to +9 broad axe "Kosum" {antimagic,
                  | rC+}.
 35320 | D:14     | 35320 ||| SWAPPING to +6 heavy broad axe.
 35321 | D:14     | 35321 ||| SWAPPING to +9 broad axe "Kosum" {antimagic,
                  | rC+}.
 35322 | D:14     | 35322 ||| SWAPPING to +6 heavy broad axe.
 35323 | D:14     | 35323 ||| SWAPPING to +9 broad axe "Kosum" {antimagic,
                  | rC+}.
 35324 | D:14     | 35324 ||| SWAPPING to +6 heavy broad axe.
 35325 | D:14     | 35325 ||| SWAPPING to +9 broad axe "Kosum" {antimagic,
                  | rC+}.
 35326 | D:14     | 35326 ||| SWAPPING to +6 heavy broad axe.
 35327 | D:14     | 35327 ||| SWAPPING to +9 broad axe "Kosum" {antimagic,
                  | rC+}.
 35328 | D:14     | 35328 ||| SWAPPING to +6 heavy broad axe.
 35329 | D:14     | 35329 ||| SWAPPING to +9 broad axe "Kosum" {antimagic,
                  | rC+}.
 35330 | D:14     | 35330 ||| SWAPPING to +6 heavy broad axe.
 35331 | D:14     | 35331 ||| SWAPPING to +9 broad axe "Kosum" {antimagic,
                  | rC+}.
 35332 | D:14     | 35332 ||| SWAPPING to +6 heavy broad axe.
 35333 | D:14     | 35333 ||| SWAPPING to +9 broad axe "Kosum" {antimagic,
                  | rC+}.
 35334 | D:14     | 35334 ||| SWAPPING to +6 heavy broad axe.
 35335 | D:14     | 35335 ||| SWAPPING to +9 broad axe "Kosum" {antimagic,
                  | rC+}.
 35336 | D:14     | 35336 ||| SWAPPING to +6 heavy broad axe.
 35337 | D:14     | 35337 ||| SWAPPING to +9 broad axe "Kosum" {antimagic,
                  | rC+}.
 35338 | D:14     | 35338 ||| SWAPPING to +6 heavy broad axe.
 35339 | D:14     | 35339 ||| SWAPPING to +9 broad axe "Kosum" {antimagic,
                  | rC+}.
 35340 | D:14     | 35340 ||| SWAPPING to +6 heavy broad axe.
 35341 | D:14     | 35341 ||| SWAPPING to +9 broad axe "Kosum" {antimagic,
                  | rC+}.
 35342 | D:14     | 35342 ||| SWAPPING to +6 heavy broad axe.
 35343 | D:14     | 35343 ||| SWAPPING to +9 broad axe "Kosum" {antimagic,
                  | rC+}.
 35344 | D:14     | 35344 ||| SWAPPING to +6 heavy broad axe.
 35345 | D:14     | 35345 ||| SWAPPING to +9 broad axe "Kosum" {antimagic,
                  | rC+}.
 35346 | D:14     | 35346 ||| SWAPPING to +6 heavy broad axe.
 35347 | D:14     | 35347 ||| SWAPPING to +9 broad axe "Kosum" {antimagic,
                  | rC+}.
 35348 | D:14     | 35348 ||| SWAPPING to +6 heavy broad axe.
 35349 | D:14     | 35349 ||| SWAPPING to +9 broad axe "Kosum" {antimagic,
                  | rC+}.
 35350 | D:14     | 35350 ||| SWAPPING to +6 heavy broad axe.
 35351 | D:14     | 35351 ||| SWAPPING to +9 broad axe "Kosum" {antimagic,
                  | rC+}.
 35352 | D:14     | 35352 ||| SWAPPING to +6 heavy broad axe.
 35353 | D:14     | 35353 ||| SWAPPING to +9 broad axe "Kosum" {antimagic,
                  | rC+}.
 35354 | D:14     | 35354 ||| SWAPPING to +6 heavy broad axe.
 35355 | D:14     | 35355 ||| SWAPPING to +9 broad axe "Kosum" {antimagic,
                  | rC+}.
 35356 | D:14     | 35356 ||| SWAPPING to +6 heavy broad axe.
 35357 | D:14     | 35357 ||| SWAPPING to +9 broad axe "Kosum" {antimagic,
                  | rC+}.
 35358 | D:14     | 35358 ||| SWAPPING to +6 heavy broad axe.
 35359 | D:14     | 35359 ||| SWAPPING to +9 broad axe "Kosum" {antimagic,
                  | rC+}.
 35360 | D:14     | 35360 ||| SWAPPING to +6 heavy broad axe.
 35361 | D:14     | 35361 ||| SWAPPING to +9 broad axe "Kosum" {antimagic,
                  | rC+}.
 35362 | D:14     | 35362 ||| SWAPPING to +6 heavy broad axe.
 35363 | D:14     | 35363 ||| SWAPPING to +9 broad axe "Kosum" {antimagic,
                  | rC+}.
 35364 | D:14     | 35364 ||| SWAPPING to +6 heavy broad axe.
 35365 | D:14     | 35365 ||| SWAPPING to +9 broad axe "Kosum" {antimagic,
                  | rC+}.
 35366 | D:14     | 35366 ||| SWAPPING to +6 heavy broad axe.
 35367 | D:14     | 35367 ||| SWAPPING to +9 broad axe "Kosum" {antimagic,
                  | rC+}.
 35368 | D:14     | 35368 ||| SWAPPING to +6 heavy broad axe.
 35369 | D:14     | 35369 ||| SWAPPING to +9 broad axe "Kosum" {antimagic,
                  | rC+}.
 35370 | D:14     | 35370 ||| SWAPPING to +6 heavy broad axe.
 35371 | D:14     | 35371 ||| SWAPPING to +9 broad axe "Kosum" {antimagic,
                  | rC+}.
 35372 | D:14     | 35372 ||| SWAPPING to +6 heavy broad axe.
 35373 | D:14     | 35373 ||| SWAPPING to +9 broad axe "Kosum" {antimagic,
                  | rC+}.
 35374 | D:14     | 35374 ||| SWAPPING to +6 heavy broad axe.
 35375 | D:14     | 35375 ||| SWAPPING to +9 broad axe "Kosum" {antimagic,
                  | rC+}.
 35376 | D:14     | 35376 ||| SWAPPING to +6 heavy broad axe.
 35377 | D:14     | 35377 ||| SWAPPING to +9 broad axe "Kosum" {antimagic,
                  | rC+}.
 35378 | D:14     | 35378 ||| SWAPPING to +6 heavy broad axe.
 35379 | D:14     | 35379 ||| SWAPPING to +9 broad axe "Kosum" {antimagic,
                  | rC+}.
 35380 | D:14     | 35380 ||| SWAPPING to +6 heavy broad axe.
 35381 | D:14     | 35381 ||| SWAPPING to +9 broad axe "Kosum" {antimagic,
                  | rC+}.
 35382 | D:14     | 35382 ||| SWAPPING to +6 heavy broad axe.
 35383 | D:14     | 35383 ||| SWAPPING to +9 broad axe "Kosum" {antimagic,
                  | rC+}.
 35384 | D:14     | 35384 ||| SWAPPING to +6 heavy broad axe.
 35385 | D:14     | 35385 ||| SWAPPING to +9 broad axe "Kosum" {antimagic,
                  | rC+}.
 35386 | D:14     | 35386 ||| SWAPPING to +6 heavy broad axe.
 35387 | D:14     | 35387 ||| SWAPPING to +9 broad axe "Kosum" {antimagic,
                  | rC+}.
 35388 | D:14     | 35388 ||| SWAPPING to +6 heavy broad axe.
 35389 | D:14     | 35389 ||| SWAPPING to +9 broad axe "Kosum" {antimagic,
                  | rC+}.
 35390 | D:14     | 35390 ||| SWAPPING to +6 heavy broad axe.
 35391 | D:14     | 35391 ||| SWAPPING to +9 broad axe "Kosum" {antimagic,
                  | rC+}.
 35392 | D:14     | 35392 ||| SWAPPING to +6 heavy broad axe.
 35393 | D:14     | 35393 ||| SWAPPING to +9 broad axe "Kosum" {antimagic,
                  | rC+}.
 35394 | D:14     | 35394 ||| SWAPPING to +6 heavy broad axe.
 35395 | D:14     | 35395 ||| SWAPPING to +9 broad axe "Kosum" {antimagic,
                  | rC+}.
 35396 | D:14     | 35396 ||| SWAPPING to +6 heavy broad axe.
 35397 | D:14     | 35397 ||| SWAPPING to +9 broad axe "Kosum" {antimagic,
                  | rC+}.
 35398 | D:14     | 35398 ||| SWAPPING to +6 heavy broad axe.
 35399 | D:14     | 35399 ||| SWAPPING to +9 broad axe "Kosum" {antimagic,
                  | rC+}.
 35400 | D:14     | 35400 ||| SWAPPING to +6 heavy broad axe.
 35401 | D:14     | 35401 ||| SWAPPING to +9 broad axe "Kosum" {antimagic,
                  | rC+}.
 35402 | D:14     | 35402 ||| SWAPPING to +6 heavy broad axe.
 35403 | D:14     | 35403 ||| SWAPPING to +9 broad axe "Kosum" {antimagic,
                  | rC+}.
 35404 | D:14     | 35404 ||| SWAPPING to +6 heavy broad axe.
 35405 | D:14     | 35405 ||| SWAPPING to +9 broad axe "Kosum" {antimagic,
                  | rC+}.
 35406 | D:14     | 35406 ||| SWAPPING to +6 heavy broad axe.
 35407 | D:14     | 35407 ||| SWAPPING to +9 broad axe "Kosum" {antimagic,
                  | rC+}.
 35408 | D:14     | 35408 ||| SWAPPING to +6 heavy broad axe.
 35409 | D:14     | 35409 ||| SWAPPING to +9 broad axe "Kosum" {antimagic,
                  | rC+}.
 35410 | D:14     | 35410 ||| SWAPPING to +6 heavy broad axe.
 35411 | D:14     | 35411 ||| SWAPPING to +9 broad axe "Kosum" {antimagic,
                  | rC+}.
 35412 | D:14     | 35412 ||| SWAPPING to +6 heavy broad axe.
 35413 | D:14     | 35413 ||| SWAPPING to +9 broad axe "Kosum" {antimagic,
                  | rC+}.
 35414 | D:14     | 35414 ||| SWAPPING to +6 heavy broad axe.
 35415 | D:14     | 35415 ||| SWAPPING to +9 broad axe "Kosum" {antimagic,
                  | rC+}.
 35416 | D:14     | 35416 ||| SWAPPING to +6 heavy broad axe.
 35417 | D:14     | 35417 ||| SWAPPING to +9 broad axe "Kosum" {antimagic,
                  | rC+}.
 35418 | D:14     | 35418 ||| SWAPPING to +6 heavy broad axe.
 35419 | D:14     | 35419 ||| SWAPPING to +9 broad axe "Kosum" {antimagic,
                  | rC+}.
 35420 | D:14     | 35420 ||| SWAPPING to +6 heavy broad axe.
 35421 | D:14     | 35421 ||| SWAPPING to +9 broad axe "Kosum" {antimagic,
                  | rC+}.
 35422 | D:14     | 35422 ||| SWAPPING to +6 heavy broad axe.
 35423 | D:14     | 35423 ||| SWAPPING to +9 broad axe "Kosum" {antimagic,
                  | rC+}.
 35424 | D:14     | 35424 ||| SWAPPING to +6 heavy broad axe.
 35425 | D:14     | 35425 ||| SWAPPING to +9 broad axe "Kosum" {antimagic,
                  | rC+}.
 35426 | D:14     | 35426 ||| SWAPPING to +6 heavy broad axe.
 35427 | D:14     | 35427 ||| SWAPPING to +9 broad axe "Kosum" {antimagic,
                  | rC+}.
 35428 | D:14     | 35428 ||| SWAPPING to +6 heavy broad axe.
 35429 | D:14     | 35429 ||| SWAPPING to +9 broad axe "Kosum" {antimagic,
                  | rC+}.
 35430 | D:14     | 35430 ||| SWAPPING to +6 heavy broad axe.
 35431 | D:14     | 35431 ||| SWAPPING to +9 broad axe "Kosum" {antimagic,
                  | rC+}.
 35432 | D:14     | 35432 ||| SWAPPING to +6 heavy broad axe.
 35433 | D:14     | 35433 ||| SWAPPING to +9 broad axe "Kosum" {antimagic,
                  | rC+}.
 35434 | D:14     | 35434 ||| SWAPPING to +6 heavy broad axe.
 35435 | D:14     | 35435 ||| SWAPPING to +9 broad axe "Kosum" {antimagic,
                  | rC+}.
 35436 | D:14     | 35436 ||| SWAPPING to +6 heavy broad axe.
 35437 | D:14     | 35437 ||| SWAPPING to +9 broad axe "Kosum" {antimagic,
                  | rC+}.
 35438 | D:14     | 35438 ||| SWAPPING to +6 heavy broad axe.
 35439 | D:14     | 35439 ||| SWAPPING to +9 broad axe "Kosum" {antimagic,
                  | rC+}.
 35440 | D:14     | 35440 ||| SWAPPING to +6 heavy broad axe.
 35441 | D:14     | 35441 ||| SWAPPING to +9 broad axe "Kosum" {antimagic,
                  | rC+}.
 35442 | D:14     | 35442 ||| SWAPPING to +6 heavy broad axe.
 35443 | D:14     | 35443 ||| SWAPPING to +9 broad axe "Kosum" {antimagic,
                  | rC+}.
 35444 | D:14     | 35444 ||| SWAPPING to +6 heavy broad axe.
 35445 | D:14     | 35445 ||| SWAPPING to +9 broad axe "Kosum" {antimagic,
                  | rC+}.
 35446 | D:14     | 35446 ||| SWAPPING to +6 heavy broad axe.
 35447 | D:14     | 35447 ||| SWAPPING to +9 broad axe "Kosum" {antimagic,
                  | rC+}.
 35448 | D:14     | 35448 ||| SWAPPING to +6 heavy broad axe.
 35449 | D:14     | 35449 ||| SWAPPING to +9 broad axe "Kosum" {antimagic,
                  | rC+}.
 35450 | D:14     | 35450 ||| SWAPPING to +6 heavy broad axe.
 35451 | D:14     | 35451 ||| SWAPPING to +9 broad axe "Kosum" {antimagic,
                  | rC+}.
 35452 | D:14     | 35452 ||| SWAPPING to +6 heavy broad axe.
 35453 | D:14     | 35453 ||| SWAPPING to +9 broad axe "Kosum" {antimagic,
                  | rC+}.
 35454 | D:14     | 35454 ||| SWAPPING to +6 heavy broad axe.
 35455 | D:14     | 35455 ||| SWAPPING to +9 broad axe "Kosum" {antimagic,
                  | rC+}.
 35456 | D:14     | 35456 ||| SWAPPING to +6 heavy broad axe.
 35457 | D:14     | 35457 ||| SWAPPING to +9 broad axe "Kosum" {antimagic,
                  | rC+}.
 35458 | D:14     | 35458 ||| SWAPPING to +6 heavy broad axe.
 35459 | D:14     | 35459 ||| SWAPPING to +9 broad axe "Kosum" {antimagic,
                  | rC+}.
 35460 | D:14     | 35460 ||| SWAPPING to +6 heavy broad axe.
 35461 | D:14     | 35461 ||| SWAPPING to +9 broad axe "Kosum" {antimagic,
                  | rC+}.
 35462 | D:14     | 35462 ||| SWAPPING to +6 heavy broad axe.
 35463 | D:14     | 35463 ||| SWAPPING to +9 broad axe "Kosum" {antimagic,
                  | rC+}.
 35464 | D:14     | 35464 ||| SWAPPING to +6 heavy broad axe.
 35465 | D:14     | 35465 ||| SWAPPING to +9 broad axe "Kosum" {antimagic,
                  | rC+}.
 35466 | D:14     | 35466 ||| SWAPPING to +6 heavy broad axe.
 35467 | D:14     | 35467 ||| SWAPPING to +9 broad axe "Kosum" {antimagic,
                  | rC+}.
 35468 | D:14     | 35468 ||| SWAPPING to +6 heavy broad axe.
 35469 | D:14     | 35469 ||| SWAPPING to +9 broad axe "Kosum" {antimagic,
                  | rC+}.
 35470 | D:14     | 35470 ||| SWAPPING to +6 heavy broad axe.
 35471 | D:14     | 35471 ||| SWAPPING to +9 broad axe "Kosum" {antimagic,
                  | rC+}.
 35472 | D:14     | 35472 ||| SWAPPING to +6 heavy broad axe.
 35473 | D:14     | 35473 ||| SWAPPING to +9 broad axe "Kosum" {antimagic,
                  | rC+}.
 35474 | D:14     | 35474 ||| SWAPPING to +6 heavy broad axe.
 35475 | D:14     | 35475 ||| SWAPPING to +9 broad axe "Kosum" {antimagic,
                  | rC+}.
 35476 | D:14     | 35476 ||| SWAPPING to +6 heavy broad axe.
 35477 | D:14     | 35477 ||| SWAPPING to +9 broad axe "Kosum" {antimagic,
                  | rC+}.
 35478 | D:14     | 35478 ||| SWAPPING to +6 heavy broad axe.
 35479 | D:14     | 35479 ||| SWAPPING to +9 broad axe "Kosum" {antimagic,
                  | rC+}.
 35480 | D:14     | 35480 ||| SWAPPING to +6 heavy broad axe.
 35481 | D:14     | 35481 ||| SWAPPING to +9 broad axe "Kosum" {antimagic,
                  | rC+}.
 35482 | D:14     | 35482 ||| SWAPPING to +6 heavy broad axe.
 35483 | D:14     | 35483 ||| SWAPPING to +9 broad axe "Kosum" {antimagic,
                  | rC+}.
 35484 | D:14     | 35484 ||| SWAPPING to +6 heavy broad axe.
 35485 | D:14     | 35485 ||| SWAPPING to +9 broad axe "Kosum" {antimagic,
                  | rC+}.
 35486 | D:14     | 35486 ||| SWAPPING to +6 heavy broad axe.
 35487 | D:14     | 35487 ||| SWAPPING to +9 broad axe "Kosum" {antimagic,
                  | rC+}.
 35488 | D:14     | 35488 ||| SWAPPING to +6 heavy broad axe.
 35489 | D:14     | 35489 ||| SWAPPING to +9 broad axe "Kosum" {antimagic,
                  | rC+}.
 35490 | D:14     | 35490 ||| SWAPPING to +6 heavy broad axe.
 35491 | D:14     | 35491 ||| SWAPPING to +9 broad axe "Kosum" {antimagic,
                  | rC+}.
 35492 | D:14     | 35492 ||| SWAPPING to +6 heavy broad axe.
 35493 | D:14     | 35493 ||| SWAPPING to +9 broad axe "Kosum" {antimagic,
                  | rC+}.
 35494 | D:14     | 35494 ||| SWAPPING to +6 heavy broad axe.
 35495 | D:14     | 35495 ||| SWAPPING to +9 broad axe "Kosum" {antimagic,
                  | rC+}.
 35496 | D:14     | 35496 ||| SWAPPING to +6 heavy broad axe.
 35497 | D:14     | 35497 ||| SWAPPING to +9 broad axe "Kosum" {antimagic,
                  | rC+}.
 35498 | D:14     | 35498 ||| SWAPPING to +6 heavy broad axe.
 35499 | D:14     | 35499 ||| SWAPPING to +9 broad axe "Kosum" {antimagic,
                  | rC+}.
 35500 | D:14     | 35500 ||| SWAPPING to +6 heavy broad axe.
 35501 | D:14     | 35501 ||| SWAPPING to +9 broad axe "Kosum" {antimagic,
                  | rC+}.
 35502 | D:14     | 35502 ||| SWAPPING to +6 heavy broad axe.
 35503 | D:14     | 35503 ||| SWAPPING to +9 broad axe "Kosum" {antimagic,
                  | rC+}.
 35504 | D:14     | 35504 ||| SWAPPING to +6 heavy broad axe.
 35505 | D:14     | 35505 ||| SWAPPING to +9 broad axe "Kosum" {antimagic,
                  | rC+}.
 35506 | D:14     | 35506 ||| SWAPPING to +6 heavy broad axe.
 35507 | D:14     | 35507 ||| SWAPPING to +9 broad axe "Kosum" {antimagic,
                  | rC+}.
 35508 | D:14     | 35508 ||| SWAPPING to +6 heavy broad axe.
 35509 | D:14     | 35509 ||| SWAPPING to +9 broad axe "Kosum" {antimagic,
                  | rC+}.
 35510 | D:14     | 35510 ||| SWAPPING to +6 heavy broad axe.
 35511 | D:14     | 35511 ||| SWAPPING to +9 broad axe "Kosum" {antimagic,
                  | rC+}.
 35512 | D:14     | 35512 ||| SWAPPING to +6 heavy broad axe.
 35513 | D:14     | 35513 ||| SWAPPING to +9 broad axe "Kosum" {antimagic,
                  | rC+}.
 35514 | D:14     | 35514 ||| SWAPPING to +6 heavy broad axe.
 35515 | D:14     | 35515 ||| SWAPPING to +9 broad axe "Kosum" {antimagic,
                  | rC+}.
 35516 | D:14     | 35516 ||| SWAPPING to +6 heavy broad axe.
 35517 | D:14     | 35517 ||| SWAPPING to +9 broad axe "Kosum" {antimagic,
                  | rC+}.
 35518 | D:14     | 35518 ||| SWAPPING to +6 heavy broad axe.
 35519 | D:14     | 35519 ||| SWAPPING to +9 broad axe "Kosum" {antimagic,
                  | rC+}.
 35520 | D:14     | 35520 ||| SWAPPING to +6 heavy broad axe.
 35521 | D:14     | 35521 ||| SWAPPING to +9 broad axe "Kosum" {antimagic,
                  | rC+}.
 35522 | D:14     | 35522 ||| SWAPPING to +6 heavy broad axe.
 35523 | D:14     | 35523 ||| SWAPPING to +9 broad axe "Kosum" {antimagic,
                  | rC+}.
 35524 | D:14     | 35524 ||| SWAPPING to +6 heavy broad axe.
 35525 | D:14     | 35525 ||| SWAPPING to +9 broad axe "Kosum" {antimagic,
                  | rC+}.
 35526 | D:14     | 35526 ||| SWAPPING to +6 heavy broad axe.
 35527 | D:14     | 35527 ||| SWAPPING to +9 broad axe "Kosum" {antimagic,
                  | rC+}.
 35528 | D:14     | 35528 ||| SWAPPING to +6 heavy broad axe.
 35529 | D:14     | 35529 ||| SWAPPING to +9 broad axe "Kosum" {antimagic,
                  | rC+}.
 35530 | D:14     | 35530 ||| SWAPPING to +6 heavy broad axe.
 35531 | D:14     | 35531 ||| SWAPPING to +9 broad axe "Kosum" {antimagic,
                  | rC+}.
 35532 | D:14     | 35532 ||| SWAPPING to +6 heavy broad axe.
 35533 | D:14     | 35533 ||| SWAPPING to +9 broad axe "Kosum" {antimagic,
                  | rC+}.
 35534 | D:14     | 35534 ||| SWAPPING to +6 heavy broad axe.
 35535 | D:14     | 35535 ||| SWAPPING to +9 broad axe "Kosum" {antimagic,
                  | rC+}.
 35536 | D:14     | 35536 ||| SWAPPING to +6 heavy broad axe.
 35537 | D:14     | 35537 ||| SWAPPING to +9 broad axe "Kosum" {antimagic,
                  | rC+}.
 35538 | D:14     | 35538 ||| SWAPPING to +6 heavy broad axe.
 35539 | D:14     | 35539 ||| SWAPPING to +9 broad axe "Kosum" {antimagic,
                  | rC+}.
 35540 | D:14     | 35540 ||| SWAPPING to +6 heavy broad axe.
 35541 | D:14     | 35541 ||| SWAPPING to +9 broad axe "Kosum" {antimagic,
                  | rC+}.
 35542 | D:14     | 35542 ||| SWAPPING to +6 heavy broad axe.
 35543 | D:14     | 35543 ||| SWAPPING to +9 broad axe "Kosum" {antimagic,
                  | rC+}.
 35544 | D:14     | 35544 ||| SWAPPING to +6 heavy broad axe.
 35545 | D:14     | 35545 ||| SWAPPING to +9 broad axe "Kosum" {antimagic,
                  | rC+}.
 35546 | D:14     | 35546 ||| SWAPPING to +6 heavy broad axe.
 35547 | D:14     | 35547 ||| SWAPPING to +9 broad axe "Kosum" {antimagic,
                  | rC+}.
 35548 | D:14     | 35548 ||| SWAPPING to +6 heavy broad axe.
 35549 | D:14     | 35549 ||| SWAPPING to +9 broad axe "Kosum" {antimagic,
                  | rC+}.
 35550 | D:14     | 35550 ||| SWAPPING to +6 heavy broad axe.
 35551 | D:14     | 35551 ||| SWAPPING to +9 broad axe "Kosum" {antimagic,
                  | rC+}.
 35552 | D:14     | 35552 ||| SWAPPING to +6 heavy broad axe.
 35553 | D:14     | 35553 ||| SWAPPING to +9 broad axe "Kosum" {antimagic,
                  | rC+}.
 35554 | D:14     | 35554 ||| SWAPPING to +6 heavy broad axe.
 35555 | D:14     | 35555 ||| SWAPPING to +9 broad axe "Kosum" {antimagic,
                  | rC+}.
 35556 | D:14     | 35556 ||| SWAPPING to +6 heavy broad axe.
 35557 | D:14     | 35557 ||| SWAPPING to +9 broad axe "Kosum" {antimagic,
                  | rC+}.
 35558 | D:14     | 35558 ||| SWAPPING to +6 heavy broad axe.
 35559 | D:14     | 35559 ||| SWAPPING to +9 broad axe "Kosum" {antimagic,
                  | rC+}.
 35560 | D:14     | 35560 ||| SWAPPING to +6 heavy broad axe.
 35561 | D:14     | 35561 ||| SWAPPING to +9 broad axe "Kosum" {antimagic,
                  | rC+}.
 35562 | D:14     | 35562 ||| SWAPPING to +6 heavy broad axe.
 35563 | D:14     | 35563 ||| SWAPPING to +9 broad axe "Kosum" {antimagic,
                  | rC+}.
 35564 | D:14     | 35564 ||| SWAPPING to +6 heavy broad axe.
 35565 | D:14     | 35565 ||| SWAPPING to +9 broad axe "Kosum" {antimagic,
                  | rC+}.
 35566 | D:14     | 35566 ||| SWAPPING to +6 heavy broad axe.
 35567 | D:14     | 35567 ||| SWAPPING to +9 broad axe "Kosum" {antimagic,
                  | rC+}.
 35568 | D:14     | 35568 ||| SWAPPING to +6 heavy broad axe.
 35569 | D:14     | 35569 ||| SWAPPING to +9 broad axe "Kosum" {antimagic,
                  | rC+}.
 35570 | D:14     | 35570 ||| SWAPPING to +6 heavy broad axe.
 35571 | D:14     | 35571 ||| SWAPPING to +9 broad axe "Kosum" {antimagic,
                  | rC+}.
 35572 | D:14     | 35572 ||| SWAPPING to +6 heavy broad axe.
 35573 | D:14     | 35573 ||| SWAPPING to +9 broad axe "Kosum" {antimagic,
                  | rC+}.
 35574 | D:14     | 35574 ||| SWAPPING to +6 heavy broad axe.
 35575 | D:14     | 35575 ||| SWAPPING to +9 broad axe "Kosum" {antimagic,
                  | rC+}.
 35576 | D:14     | 35576 ||| SWAPPING to +6 heavy broad axe.
 35577 | D:14     | 35577 ||| SWAPPING to +9 broad axe "Kosum" {antimagic,
                  | rC+}.
 35578 | D:14     | 35578 ||| SWAPPING to +6 heavy broad axe.
 35579 | D:14     | 35579 ||| SWAPPING to +9 broad axe "Kosum" {antimagic,
                  | rC+}.
 35580 | D:14     | 35580 ||| SWAPPING to +6 heavy broad axe.
 35581 | D:14     | 35581 ||| SWAPPING to +9 broad axe "Kosum" {antimagic,
                  | rC+}.
 35582 | D:14     | 35582 ||| SWAPPING to +6 heavy broad axe.
 35583 | D:14     | 35583 ||| SWAPPING to +9 broad axe "Kosum" {antimagic,
                  | rC+}.
 35584 | D:14     | 35584 ||| SWAPPING to +6 heavy broad axe.
 35585 | D:14     | 35585 ||| SWAPPING to +9 broad axe "Kosum" {antimagic,
                  | rC+}.
 35586 | D:14     | 35586 ||| SWAPPING to +6 heavy broad axe.
 35587 | D:14     | 35587 ||| SWAPPING to +9 broad axe "Kosum" {antimagic,
                  | rC+}.
 35588 | D:14     | 35588 ||| SWAPPING to +6 heavy broad axe.
 35589 | D:14     | 35589 ||| SWAPPING to +9 broad axe "Kosum" {antimagic,
                  | rC+}.
 35590 | D:14     | 35590 ||| SWAPPING to +6 heavy broad axe.
 35591 | D:14     | 35591 ||| SWAPPING to +9 broad axe "Kosum" {antimagic,
                  | rC+}.
 35592 | D:14     | 35592 ||| SWAPPING to +6 heavy broad axe.
 35593 | D:14     | 35593 ||| SWAPPING to +9 broad axe "Kosum" {antimagic,
                  | rC+}.
 35594 | D:14     | 35594 ||| SWAPPING to +6 heavy broad axe.
 35595 | D:14     | 35595 ||| SWAPPING to +9 broad axe "Kosum" {antimagic,
                  | rC+}.
 35596 | D:14     | 35596 ||| SWAPPING to +6 heavy broad axe.
 35597 | D:14     | 35597 ||| SWAPPING to +9 broad axe "Kosum" {antimagic,
                  | rC+}.
 35598 | D:14     | 35598 ||| SWAPPING to +6 heavy broad axe.
 35599 | D:14     | 35599 ||| SWAPPING to +9 broad axe "Kosum" {antimagic,
                  | rC+}.
 35600 | D:14     | 35600 ||| SWAPPING to +6 heavy broad axe.
 35601 | D:14     | 35601 ||| SWAPPING to +9 broad axe "Kosum" {antimagic,
                  | rC+}.
 35602 | D:14     | 35602 ||| SWAPPING to +6 heavy broad axe.
 35603 | D:14     | 35603 ||| SWAPPING to +9 broad axe "Kosum" {antimagic,
                  | rC+}.
 35604 | D:14     | 35604 ||| SWAPPING to +6 heavy broad axe.
 35605 | D:14     | 35605 ||| SWAPPING to +9 broad axe "Kosum" {antimagic,
                  | rC+}.
 35606 | D:14     | 35606 ||| SWAPPING to +6 heavy broad axe.
 35607 | D:14     | 35607 ||| SWAPPING to +9 broad axe "Kosum" {antimagic,
                  | rC+}.
 35608 | D:14     | 35608 ||| SWAPPING to +6 heavy broad axe.
 35609 | D:14     | 35609 ||| SWAPPING to +9 broad axe "Kosum" {antimagic,
                  | rC+}.
 35610 | D:14     | 35610 ||| SWAPPING to +6 heavy broad axe.
 35611 | D:14     | 35611 ||| SWAPPING to +9 broad axe "Kosum" {antimagic,
                  | rC+}.
 35612 | D:14     | 35612 ||| SWAPPING to +6 heavy broad axe.
 35613 | D:14     | 35613 ||| SWAPPING to +9 broad axe "Kosum" {antimagic,
                  | rC+}.
 35614 | D:14     | 35614 ||| SWAPPING to +6 heavy broad axe.
 35615 | D:14     | 35615 ||| SWAPPING to +9 broad axe "Kosum" {antimagic,
                  | rC+}.
 35616 | D:14     | 35616 ||| SWAPPING to +6 heavy broad axe.
 35617 | D:14     | 35617 ||| SWAPPING to +9 broad axe "Kosum" {antimagic,
                  | rC+}.
 35618 | D:14     | 35618 ||| SWAPPING to +6 heavy broad axe.
 35619 | D:14     | 35619 ||| SWAPPING to +9 broad axe "Kosum" {antimagic,
                  | rC+}.
 35620 | D:14     | 35620 ||| SWAPPING to +6 heavy broad axe.
 35621 | D:14     | 35621 ||| SWAPPING to +9 broad axe "Kosum" {antimagic,
                  | rC+}.
 35622 | D:14     | 35622 ||| SWAPPING to +6 heavy broad axe.
 35623 | D:14     | 35623 ||| SWAPPING to +9 broad axe "Kosum" {antimagic,
                  | rC+}.
 35624 | D:14     | 35624 ||| SWAPPING to +6 heavy broad axe.
 35625 | D:14     | 35625 ||| SWAPPING to +9 broad axe "Kosum" {antimagic,
                  | rC+}.
 35626 | D:14     | 35626 ||| SWAPPING to +6 heavy broad axe.
 35627 | D:14     | 35627 ||| SWAPPING to +9 broad axe "Kosum" {antimagic,
                  | rC+}.
 35628 | D:14     | 35628 ||| SWAPPING to +6 heavy broad axe.
 35629 | D:14     | 35629 ||| SWAPPING to +9 broad axe "Kosum" {antimagic,
                  | rC+}.
 35630 | D:14     | 35630 ||| SWAPPING to +6 heavy broad axe.
 35631 | D:14     | 35631 ||| SWAPPING to +9 broad axe "Kosum" {antimagic,
                  | rC+}.
 35632 | D:14     | 35632 ||| SWAPPING to +6 heavy broad axe.
 35633 | D:14     | 35633 ||| SWAPPING to +9 broad axe "Kosum" {antimagic,
                  | rC+}.
 35634 | D:14     | 35634 ||| SWAPPING to +6 heavy broad axe.
 35635 | D:14     | 35635 ||| SWAPPING to +9 broad axe "Kosum" {antimagic,
                  | rC+}.
 35636 | D:14     | 35636 ||| SWAPPING to +6 heavy broad axe.
 35637 | D:14     | 35637 ||| SWAPPING to +9 broad axe "Kosum" {antimagic,
                  | rC+}.
 35638 | D:14     | 35638 ||| SWAPPING to +6 heavy broad axe.
 35639 | D:14     | 35639 ||| SWAPPING to +9 broad axe "Kosum" {antimagic,
                  | rC+}.
 35640 | D:14     | 35640 ||| SWAPPING to +6 heavy broad axe.
 35641 | D:14     | 35641 ||| SWAPPING to +9 broad axe "Kosum" {antimagic,
                  | rC+}.
 35642 | D:14     | 35642 ||| SWAPPING to +6 heavy broad axe.
 35643 | D:14     | 35643 ||| SWAPPING to +9 broad axe "Kosum" {antimagic,
                  | rC+}.
 35644 | D:14     | 35644 ||| SWAPPING to +6 heavy broad axe.
 35645 | D:14     | 35645 ||| SWAPPING to +9 broad axe "Kosum" {antimagic,
                  | rC+}.
 35646 | D:14     | 35646 ||| SWAPPING to +6 heavy broad axe.
 35647 | D:14     | 35647 ||| SWAPPING to +9 broad axe "Kosum" {antimagic,
                  | rC+}.
 35648 | D:14     | 35648 ||| SWAPPING to +6 heavy broad axe.
 35649 | D:14     | 35649 ||| SWAPPING to +9 broad axe "Kosum" {antimagic,
                  | rC+}.
 35650 | D:14     | 35650 ||| SWAPPING to +6 heavy broad axe.
 35651 | D:14     | 35651 ||| SWAPPING to +9 broad axe "Kosum" {antimagic,
                  | rC+}.
 35652 | D:14     | 35652 ||| SWAPPING to +6 heavy broad axe.
 35653 | D:14     | 35653 ||| SWAPPING to +9 broad axe "Kosum" {antimagic,
                  | rC+}.
 35654 | D:14     | 35654 ||| SWAPPING to +6 heavy broad axe.
 35655 | D:14     | 35655 ||| SWAPPING to +9 broad axe "Kosum" {antimagic,
                  | rC+}.
 35656 | D:14     | 35656 ||| SWAPPING to +6 heavy broad axe.
 35657 | D:14     | 35657 ||| SWAPPING to +9 broad axe "Kosum" {antimagic,
                  | rC+}.
 35658 | D:14     | 35658 ||| SWAPPING to +6 heavy broad axe.
 35659 | D:14     | 35659 ||| SWAPPING to +9 broad axe "Kosum" {antimagic,
                  | rC+}.
 35660 | D:14     | 35660 ||| SWAPPING to +6 heavy broad axe.
 35661 | D:14     | 35661 ||| SWAPPING to +9 broad axe "Kosum" {antimagic,
                  | rC+}.
 35662 | D:14     | 35662 ||| SWAPPING to +6 heavy broad axe.
 35663 | D:14     | 35663 ||| SWAPPING to +9 broad axe "Kosum" {antimagic,
                  | rC+}.
 35664 | D:14     | 35664 ||| SWAPPING to +6 heavy broad axe.
 35665 | D:14     | 35665 ||| SWAPPING to +9 broad axe "Kosum" {antimagic,
                  | rC+}.
 35666 | D:14     | 35666 ||| SWAPPING to +6 heavy broad axe.
 35667 | D:14     | 35667 ||| SWAPPING to +9 broad axe "Kosum" {antimagic,
                  | rC+}.
 35668 | D:14     | 35668 ||| SWAPPING to +6 heavy broad axe.
 35669 | D:14     | 35669 ||| SWAPPING to +9 broad axe "Kosum" {antimagic,
                  | rC+}.
 35670 | D:14     | 35670 ||| SWAPPING to +6 heavy broad axe.
 35671 | D:14     | 35671 ||| SWAPPING to +9 broad axe "Kosum" {antimagic,
                  | rC+}.
 35672 | D:14     | 35672 ||| SWAPPING to +6 heavy broad axe.
 35673 | D:14     | 35673 ||| SWAPPING to +9 broad axe "Kosum" {antimagic,
                  | rC+}.
 35674 | D:14     | 35674 ||| SWAPPING to +6 heavy broad axe.
 35675 | D:14     | 35675 ||| SWAPPING to +9 broad axe "Kosum" {antimagic,
                  | rC+}.
 35676 | D:14     | 35676 ||| SWAPPING to +6 heavy broad axe.
 35677 | D:14     | 35677 ||| SWAPPING to +9 broad axe "Kosum" {antimagic,
                  | rC+}.
 35678 | D:14     | 35678 ||| SWAPPING to +6 heavy broad axe.
 35679 | D:14     | 35679 ||| SWAPPING to +9 broad axe "Kosum" {antimagic,
                  | rC+}.
 35680 | D:14     | 35680 ||| SWAPPING to +6 heavy broad axe.
 35681 | D:14     | 35681 ||| SWAPPING to +9 broad axe "Kosum" {antimagic,
                  | rC+}.
 35682 | D:14     | 35682 ||| SWAPPING to +6 heavy broad axe.
 35683 | D:14     | 35683 ||| SWAPPING to +9 broad axe "Kosum" {antimagic,
                  | rC+}.
 35684 | D:14     | 35684 ||| SWAPPING to +6 heavy broad axe.
 35685 | D:14     | 35685 ||| SWAPPING to +9 broad axe "Kosum" {antimagic,
                  | rC+}.
 35686 | D:14     | 35686 ||| SWAPPING to +6 heavy broad axe.
 35687 | D:14     | 35687 ||| SWAPPING to +9 broad axe "Kosum" {antimagic,
                  | rC+}.
 35688 | D:14     | 35688 ||| SWAPPING to +6 heavy broad axe.
 35689 | D:14     | 35689 ||| SWAPPING to +9 broad axe "Kosum" {antimagic,
                  | rC+}.
 35690 | D:14     | 35690 ||| SWAPPING to +6 heavy broad axe.
 35691 | D:14     | 35691 ||| SWAPPING to +9 broad axe "Kosum" {antimagic,
                  | rC+}.
 35692 | D:14     | 35692 ||| SWAPPING to +6 heavy broad axe.
 35693 | D:14     | 35693 ||| SWAPPING to +9 broad axe "Kosum" {antimagic,
                  | rC+}.
 35694 | D:14     | 35694 ||| SWAPPING to +6 heavy broad axe.
 35695 | D:14     | 35695 ||| SWAPPING to +9 broad axe "Kosum" {antimagic,
                  | rC+}.
 35696 | D:14     | 35696 ||| SWAPPING to +6 heavy broad axe.
 35697 | D:14     | 35697 ||| SWAPPING to +9 broad axe "Kosum" {antimagic,
                  | rC+}.
 35698 | D:14     | 35698 ||| SWAPPING to +6 heavy broad axe.
 35699 | D:14     | 35699 ||| SWAPPING to +9 broad axe "Kosum" {antimagic,
                  | rC+}.
 35700 | D:14     | 35700 ||| SWAPPING to +6 heavy broad axe.
 35701 | D:14     | 35701 ||| SWAPPING to +9 broad axe "Kosum" {antimagic,
                  | rC+}.
 35702 | D:14     | 35702 ||| SWAPPING to +6 heavy broad axe.
 35703 | D:14     | 35703 ||| SWAPPING to +9 broad axe "Kosum" {antimagic,
                  | rC+}.
 35704 | D:14     | 35704 ||| SWAPPING to +6 heavy broad axe.
 35705 | D:14     | 35705 ||| SWAPPING to +9 broad axe "Kosum" {antimagic,
                  | rC+}.
 35706 | D:14     | 35706 ||| SWAPPING to +6 heavy broad axe.
 35707 | D:14     | 35707 ||| SWAPPING to +9 broad axe "Kosum" {antimagic,
                  | rC+}.
 35708 | D:14     | 35708 ||| SWAPPING to +6 heavy broad axe.
 35709 | D:14     | 35709 ||| SWAPPING to +9 broad axe "Kosum" {antimagic,
                  | rC+}.
 35710 | D:14     | 35710 ||| SWAPPING to +6 heavy broad axe.
 35711 | D:14     | 35711 ||| SWAPPING to +9 broad axe "Kosum" {antimagic,
                  | rC+}.
 35712 | D:14     | 35712 ||| SWAPPING to +6 heavy broad axe.
 35713 | D:14     | 35713 ||| SWAPPING to +9 broad axe "Kosum" {antimagic,
                  | rC+}.
 35714 | D:14     | 35714 ||| SWAPPING to +6 heavy broad axe.
 35715 | D:14     | 35715 ||| SWAPPING to +9 broad axe "Kosum" {antimagic,
                  | rC+}.
 35716 | D:14     | 35716 ||| SWAPPING to +6 heavy broad axe.
 35717 | D:14     | 35717 ||| SWAPPING to +9 broad axe "Kosum" {antimagic,
                  | rC+}.
 35718 | D:14     | 35718 ||| SWAPPING to +6 heavy broad axe.
 35719 | D:14     | 35719 ||| SWAPPING to +9 broad axe "Kosum" {antimagic,
                  | rC+}.
 35720 | D:14     | 35720 ||| SWAPPING to +6 heavy broad axe.
 35721 | D:14     | 35721 ||| SWAPPING to +9 broad axe "Kosum" {antimagic,
                  | rC+}.
 35722 | D:14     | 35722 ||| SWAPPING to +6 heavy broad axe.
 35723 | D:14     | 35723 ||| SWAPPING to +9 broad axe "Kosum" {antimagic,
                  | rC+}.
 35724 | D:14     | 35724 ||| SWAPPING to +6 heavy broad axe.
 35725 | D:14     | 35725 ||| SWAPPING to +9 broad axe "Kosum" {antimagic,
                  | rC+}.
 35726 | D:14     | 35726 ||| SWAPPING to +6 heavy broad axe.
 35727 | D:14     | 35727 ||| SWAPPING to +9 broad axe "Kosum" {antimagic,
                  | rC+}.
 35728 | D:14     | 35728 ||| SWAPPING to +6 heavy broad axe.
 35729 | D:14     | 35729 ||| SWAPPING to +9 broad axe "Kosum" {antimagic,
                  | rC+}.
 35730 | D:14     | 35730 ||| SWAPPING to +6 heavy broad axe.
 35731 | D:14     | 35731 ||| SWAPPING to +9 broad axe "Kosum" {antimagic,
                  | rC+}.
 35732 | D:14     | 35732 ||| SWAPPING to +6 heavy broad axe.
 35733 | D:14     | 35733 ||| SWAPPING to +9 broad axe "Kosum" {antimagic,
                  | rC+}.
 35734 | D:14     | 35734 ||| SWAPPING to +6 heavy broad axe.
 35735 | D:14     | 35735 ||| SWAPPING to +9 broad axe "Kosum" {antimagic,
                  | rC+}.
 35736 | D:14     | 35736 ||| SWAPPING to +6 heavy broad axe.
 35737 | D:14     | 35737 ||| SWAPPING to +9 broad axe "Kosum" {antimagic,
                  | rC+}.
 35738 | D:14     | 35738 ||| SWAPPING to +6 heavy broad axe.
 35739 | D:14     | 35739 ||| SWAPPING to +9 broad axe "Kosum" {antimagic,
                  | rC+}.
 35740 | D:14     | 35740 ||| SWAPPING to +6 heavy broad axe.
 35741 | D:14     | 35741 ||| SWAPPING to +9 broad axe "Kosum" {antimagic,
                  | rC+}.
 35742 | D:14     | 35742 ||| SWAPPING to +6 heavy broad axe.
 35743 | D:14     | 35743 ||| SWAPPING to +9 broad axe "Kosum" {antimagic,
                  | rC+}.
 35744 | D:14     | 35744 ||| SWAPPING to +6 heavy broad axe.
 35745 | D:14     | 35745 ||| SWAPPING to +9 broad axe "Kosum" {antimagic,
                  | rC+}.
 35746 | D:14     | 35746 ||| SWAPPING to +6 heavy broad axe.
 35747 | D:14     | 35747 ||| SWAPPING to +9 broad axe "Kosum" {antimagic,
                  | rC+}.
 35748 | D:14     | 35748 ||| SWAPPING to +6 heavy broad axe.
 35749 | D:14     | 35749 ||| SWAPPING to +9 broad axe "Kosum" {antimagic,
                  | rC+}.
 35750 | D:14     | 35750 ||| SWAPPING to +6 heavy broad axe.
 35751 | D:14     | 35751 ||| SWAPPING to +9 broad axe "Kosum" {antimagic,
                  | rC+}.
 35752 | D:14     | 35752 ||| SWAPPING to +6 heavy broad axe.
 35753 | D:14     | 35753 ||| SWAPPING to +9 broad axe "Kosum" {antimagic,
                  | rC+}.
 35754 | D:14     | 35754 ||| SWAPPING to +6 heavy broad axe.
 35755 | D:14     | 35755 ||| SWAPPING to +9 broad axe "Kosum" {antimagic,
                  | rC+}.
 35756 | D:14     | 35756 ||| SWAPPING to +6 heavy broad axe.
 35757 | D:14     | 35757 ||| SWAPPING to +9 broad axe "Kosum" {antimagic,
                  | rC+}.
 35758 | D:14     | 35758 ||| SWAPPING to +6 heavy broad axe.
 35759 | D:14     | 35759 ||| SWAPPING to +9 broad axe "Kosum" {antimagic,
                  | rC+}.
 35760 | D:14     | 35760 ||| SWAPPING to +6 heavy broad axe.
 35761 | D:14     | 35761 ||| SWAPPING to +9 broad axe "Kosum" {antimagic,
                  | rC+}.
 35762 | D:14     | 35762 ||| SWAPPING to +6 heavy broad axe.
 35763 | D:14     | 35763 ||| SWAPPING to +9 broad axe "Kosum" {antimagic,
                  | rC+}.
 35764 | D:14     | 35764 ||| SWAPPING to +6 heavy broad axe.
 35765 | D:14     | 35765 ||| SWAPPING to +9 broad axe "Kosum" {antimagic,
                  | rC+}.
 35766 | D:14     | 35766 ||| SWAPPING to +6 heavy broad axe.
 35767 | D:14     | 35767 ||| SWAPPING to +9 broad axe "Kosum" {antimagic,
                  | rC+}.
 35768 | D:14     | 35768 ||| SWAPPING to +6 heavy broad axe.
 35769 | D:14     | 35769 ||| SWAPPING to +9 broad axe "Kosum" {antimagic,
                  | rC+}.
 35770 | D:14     | 35770 ||| SWAPPING to +6 heavy broad axe.
 35771 | D:14     | 35771 ||| SWAPPING to +9 broad axe "Kosum" {antimagic,
                  | rC+}.
 35772 | D:14     | 35772 ||| SWAPPING to +6 heavy broad axe.
 35773 | D:14     | 35773 ||| SWAPPING to +9 broad axe "Kosum" {antimagic,
                  | rC+}.
 35774 | D:14     | 35774 ||| SWAPPING to +6 heavy broad axe.
 35775 | D:14     | 35775 ||| SWAPPING to +9 broad axe "Kosum" {antimagic,
                  | rC+}.
 35776 | D:14     | 35776 ||| SWAPPING to +6 heavy broad axe.
 35777 | D:14     | 35777 ||| SWAPPING to +9 broad axe "Kosum" {antimagic,
                  | rC+}.
 35778 | D:14     | 35778 ||| SWAPPING to +6 heavy broad axe.
 35779 | D:14     | 35779 ||| SWAPPING to +9 broad axe "Kosum" {antimagic,
                  | rC+}.
 35780 | D:14     | 35780 ||| SWAPPING to +6 heavy broad axe.
 35781 | D:14     | 35781 ||| SWAPPING to +9 broad axe "Kosum" {antimagic,
                  | rC+}.
 35782 | D:14     | 35782 ||| SWAPPING to +6 heavy broad axe.
 35783 | D:14     | 35783 ||| SWAPPING to +9 broad axe "Kosum" {antimagic,
                  | rC+}.
 35784 | D:14     | 35784 ||| SWAPPING to +6 heavy broad axe.
 35785 | D:14     | 35785 ||| SWAPPING to +9 broad axe "Kosum" {antimagic,
                  | rC+}.
 35786 | D:14     | 35786 ||| SWAPPING to +6 heavy broad axe.
 35787 | D:14     | 35787 ||| SWAPPING to +9 broad axe "Kosum" {antimagic,
                  | rC+}.
 35788 | D:14     | 35788 ||| SWAPPING to +6 heavy broad axe.
 35789 | D:14     | 35789 ||| SWAPPING to +9 broad axe "Kosum" {antimagic,
                  | rC+}.
 35790 | D:14     | 35790 ||| SWAPPING to +6 heavy broad axe.
 35791 | D:14     | 35791 ||| SWAPPING to +9 broad axe "Kosum" {antimagic,
                  | rC+}.
 35792 | D:14     | 35792 ||| SWAPPING to +6 heavy broad axe.
 35793 | D:14     | 35793 ||| SWAPPING to +9 broad axe "Kosum" {antimagic,
                  | rC+}.
 35794 | D:14     | 35794 ||| SWAPPING to +6 heavy broad axe.
 35795 | D:14     | 35795 ||| SWAPPING to +9 broad axe "Kosum" {antimagic,
                  | rC+}.
 35796 | D:14     | 35796 ||| SWAPPING to +6 heavy broad axe.
 35797 | D:14     | 35797 ||| SWAPPING to +9 broad axe "Kosum" {antimagic,
                  | rC+}.
 35798 | D:14     | 35798 ||| SWAPPING to +6 heavy broad axe.
 35799 | D:14     | 35799 ||| SWAPPING to +9 broad axe "Kosum" {antimagic,
                  | rC+}.
 35800 | D:14     | 35800 ||| SWAPPING to +6 heavy broad axe.
 35801 | D:14     | 35801 ||| SWAPPING to +9 broad axe "Kosum" {antimagic,
                  | rC+}.
 35802 | D:14     | 35802 ||| SWAPPING to +6 heavy broad axe.
 35803 | D:14     | 35803 ||| SWAPPING to +9 broad axe "Kosum" {antimagic,
                  | rC+}.
 35804 | D:14     | 35804 ||| SWAPPING to +6 heavy broad axe.
 35805 | D:14     | 35805 ||| SWAPPING to +9 broad axe "Kosum" {antimagic,
                  | rC+}.
 35806 | D:14     | 35806 ||| SWAPPING to +6 heavy broad axe.
 35807 | D:14     | 35807 ||| SWAPPING to +9 broad axe "Kosum" {antimagic,
                  | rC+}.
 35808 | D:14     | 35808 ||| SWAPPING to +6 heavy broad axe.
 35809 | D:14     | 35809 ||| SWAPPING to +9 broad axe "Kosum" {antimagic,
                  | rC+}.
 35810 | D:14     | 35810 ||| SWAPPING to +6 heavy broad axe.
 35811 | D:14     | 35811 ||| SWAPPING to +9 broad axe "Kosum" {antimagic,
                  | rC+}.
 35812 | D:14     | 35812 ||| SWAPPING to +6 heavy broad axe.
 35813 | D:14     | 35813 ||| SWAPPING to +9 broad axe "Kosum" {antimagic,
                  | rC+}.
 35814 | D:14     | 35814 ||| SWAPPING to +6 heavy broad axe.
 35815 | D:14     | 35815 ||| SWAPPING to +9 broad axe "Kosum" {antimagic,
                  | rC+}.
 35816 | D:14     | 35816 ||| SWAPPING to +6 heavy broad axe.
 35817 | D:14     | 35817 ||| SWAPPING to +9 broad axe "Kosum" {antimagic,
                  | rC+}.
 35818 | D:14     | 35818 ||| SWAPPING to +6 heavy broad axe.
 35819 | D:14     | 35819 ||| SWAPPING to +9 broad axe "Kosum" {antimagic,
                  | rC+}.
 35820 | D:14     | 35820 ||| SWAPPING to +6 heavy broad axe.
 35821 | D:14     | 35821 ||| SWAPPING to +9 broad axe "Kosum" {antimagic,
                  | rC+}.
 35822 | D:14     | 35822 ||| SWAPPING to +6 heavy broad axe.
 35823 | D:14     | 35823 ||| SWAPPING to +9 broad axe "Kosum" {antimagic,
                  | rC+}.
 35824 | D:14     | 35824 ||| SWAPPING to +6 heavy broad axe.
 35825 | D:14     | 35825 ||| SWAPPING to +9 broad axe "Kosum" {antimagic,
                  | rC+}.
 35826 | D:14     | 35826 ||| SWAPPING to +6 heavy broad axe.
 35827 | D:14     | 35827 ||| SWAPPING to +9 broad axe "Kosum" {antimagic,
                  | rC+}.
 35828 | D:14     | 35828 ||| SWAPPING to +6 heavy broad axe.
 35829 | D:14     | 35829 ||| SWAPPING to +9 broad axe "Kosum" {antimagic,
                  | rC+}.
 35830 | D:14     | 35830 ||| SWAPPING to +6 heavy broad axe.
 35831 | D:14     | 35831 ||| SWAPPING to +9 broad axe "Kosum" {antimagic,
                  | rC+}.
 35832 | D:14     | 35832 ||| SWAPPING to +6 heavy broad axe.
 35833 | D:14     | 35833 ||| SWAPPING to +9 broad axe "Kosum" {antimagic,
                  | rC+}.
 35834 | D:14     | 35834 ||| SWAPPING to +6 heavy broad axe.
 35835 | D:14     | 35835 ||| SWAPPING to +9 broad axe "Kosum" {antimagic,
                  | rC+}.
 35836 | D:14     | 35836 ||| SWAPPING to +6 heavy broad axe.
 35837 | D:14     | 35837 ||| SWAPPING to +9 broad axe "Kosum" {antimagic,
                  | rC+}.
 35838 | D:14     | 35838 ||| SWAPPING to +6 heavy broad axe.
 35839 | D:14     | 35839 ||| SWAPPING to +9 broad axe "Kosum" {antimagic,
                  | rC+}.
 35840 | D:14     | 35840 ||| SWAPPING to +6 heavy broad axe.
 35841 | D:14     | 35841 ||| SWAPPING to +9 broad axe "Kosum" {antimagic,
                  | rC+}.
 35842 | D:14     | 35842 ||| SWAPPING to +6 heavy broad axe.
 35843 | D:14     | 35843 ||| SWAPPING to +9 broad axe "Kosum" {antimagic,
                  | rC+}.
 35844 | D:14     | 35844 ||| SWAPPING to +6 heavy broad axe.
 35845 | D:14     | 35845 ||| SWAPPING to +9 broad axe "Kosum" {antimagic,
                  | rC+}.
 35846 | D:14     | 35846 ||| SWAPPING to +6 heavy broad axe.
 35847 | D:14     | 35847 ||| SWAPPING to +9 broad axe "Kosum" {antimagic,
                  | rC+}.
 35848 | D:14     | 35848 ||| SWAPPING to +6 heavy broad axe.
 35849 | D:14     | 35849 ||| SWAPPING to +9 broad axe "Kosum" {antimagic,
                  | rC+}.
 35850 | D:14     | 35850 ||| SWAPPING to +6 heavy broad axe.
 35851 | D:14     | 35851 ||| SWAPPING to +9 broad axe "Kosum" {antimagic,
                  | rC+}.
 35852 | D:14     | 35852 ||| SWAPPING to +6 heavy broad axe.
 35853 | D:14     | 35853 ||| SWAPPING to +9 broad axe "Kosum" {antimagic,
                  | rC+}.
 35854 | D:14     | 35854 ||| SWAPPING to +6 heavy broad axe.
 35855 | D:14     | 35855 ||| SWAPPING to +9 broad axe "Kosum" {antimagic,
                  | rC+}.
 35856 | D:14     | 35856 ||| SWAPPING to +6 heavy broad axe.
 35857 | D:14     | 35857 ||| SWAPPING to +9 broad axe "Kosum" {antimagic,
                  | rC+}.
 35858 | D:14     | 35858 ||| SWAPPING to +6 heavy broad axe.
 35859 | D:14     | 35859 ||| SWAPPING to +9 broad axe "Kosum" {antimagic,
                  | rC+}.
 35860 | D:14     | 35860 ||| SWAPPING to +6 heavy broad axe.
 35861 | D:14     | 35861 ||| SWAPPING to +9 broad axe "Kosum" {antimagic,
                  | rC+}.
 35862 | D:14     | 35862 ||| SWAPPING to +6 heavy broad axe.
 35863 | D:14     | 35863 ||| SWAPPING to +9 broad axe "Kosum" {antimagic,
                  | rC+}.
 35864 | D:14     | 35864 ||| SWAPPING to +6 heavy broad axe.
 35865 | D:14     | 35865 ||| SWAPPING to +9 broad axe "Kosum" {antimagic,
                  | rC+}.
 35866 | D:14     | 35866 ||| SWAPPING to +6 heavy broad axe.
 35867 | D:14     | 35867 ||| SWAPPING to +9 broad axe "Kosum" {antimagic,
                  | rC+}.
 35868 | D:14     | 35868 ||| SWAPPING to +6 heavy broad axe.
 35869 | D:14     | 35869 ||| SWAPPING to +9 broad axe "Kosum" {antimagic,
                  | rC+}.
 35870 | D:14     | 35870 ||| SWAPPING to +6 heavy broad axe.
 35871 | D:14     | 35871 ||| SWAPPING to +9 broad axe "Kosum" {antimagic,
                  | rC+}.
 35872 | D:14     | 35872 ||| SWAPPING to +6 heavy broad axe.
 35873 | D:14     | 35873 ||| SWAPPING to +9 broad axe "Kosum" {antimagic,
                  | rC+}.
 35874 | D:14     | 35874 ||| SWAPPING to +6 heavy broad axe.
 35875 | D:14     | 35875 ||| SWAPPING to +9 broad axe "Kosum" {antimagic,
                  | rC+}.
 35876 | D:14     | 35876 ||| SWAPPING to +6 heavy broad axe.
 35877 | D:14     | 35877 ||| SWAPPING to +9 broad axe "Kosum" {antimagic,
                  | rC+}.
 35878 | D:14     | 35878 ||| SWAPPING to +6 heavy broad axe.
 35879 | D:14     | 35879 ||| SWAPPING to +9 broad axe "Kosum" {antimagic,
                  | rC+}.
 35880 | D:14     | 35880 ||| SWAPPING to +6 heavy broad axe.
 35881 | D:14     | 35881 ||| SWAPPING to +9 broad axe "Kosum" {antimagic,
                  | rC+}.
 35882 | D:14     | 35882 ||| SWAPPING to +6 heavy broad axe.
 35883 | D:14     | 35883 ||| SWAPPING to +9 broad axe "Kosum" {antimagic,
                  | rC+}.
 35884 | D:14     | 35884 ||| SWAPPING to +6 heavy broad axe.
 35885 | D:14     | 35885 ||| SWAPPING to +9 broad axe "Kosum" {antimagic,
                  | rC+}.
 35886 | D:14     | 35886 ||| SWAPPING to +6 heavy broad axe.
 35887 | D:14     | 35887 ||| SWAPPING to +9 broad axe "Kosum" {antimagic,
                  | rC+}.
 35888 | D:14     | 35888 ||| SWAPPING to +6 heavy broad axe.
 35889 | D:14     | 35889 ||| SWAPPING to +9 broad axe "Kosum" {antimagic,
                  | rC+}.
 35890 | D:14     | 35890 ||| SWAPPING to +6 heavy broad axe.
 35891 | D:14     | 35891 ||| SWAPPING to +9 broad axe "Kosum" {antimagic,
                  | rC+}.
 35892 | D:14     | 35892 ||| SWAPPING to +6 heavy broad axe.
 35893 | D:14     | 35893 ||| SWAPPING to +9 broad axe "Kosum" {antimagic,
                  | rC+}.
 35894 | D:14     | 35894 ||| SWAPPING to +6 heavy broad axe.
 35895 | D:14     | 35895 ||| SWAPPING to +9 broad axe "Kosum" {antimagic,
                  | rC+}.
 35896 | D:14     | 35896 ||| SWAPPING to +6 heavy broad axe.
 35897 | D:14     | 35897 ||| SWAPPING to +9 broad axe "Kosum" {antimagic,
                  | rC+}.
 35898 | D:14     | 35898 ||| SWAPPING to +6 heavy broad axe.
 35899 | D:14     | 35899 ||| SWAPPING to +9 broad axe "Kosum" {antimagic,
                  | rC+}.
 35900 | D:14     | 35900 ||| SWAPPING to +6 heavy broad axe.
 35901 | D:14     | 35901 ||| SWAPPING to +9 broad axe "Kosum" {antimagic,
                  | rC+}.
 35902 | D:14     | 35902 ||| SWAPPING to +6 heavy broad axe.
 35903 | D:14     | 35903 ||| SWAPPING to +9 broad axe "Kosum" {antimagic,
                  | rC+}.
 35904 | D:14     | 35904 ||| SWAPPING to +6 heavy broad axe.
 35905 | D:14     | 35905 ||| SWAPPING to +9 broad axe "Kosum" {antimagic,
                  | rC+}.
 35906 | D:14     | 35906 ||| SWAPPING to +6 heavy broad axe.
 35907 | D:14     | 35907 ||| SWAPPING to +9 broad axe "Kosum" {antimagic,
                  | rC+}.
 35908 | D:14     | 35908 ||| SWAPPING to +6 heavy broad axe.
 35909 | D:14     | 35909 ||| SWAPPING to +9 broad axe "Kosum" {antimagic,
                  | rC+}.
 35910 | D:14     | 35910 ||| SWAPPING to +6 heavy broad axe.
 35911 | D:14     | 35911 ||| SWAPPING to +9 broad axe "Kosum" {antimagic,
                  | rC+}.
 35912 | D:14     | 35912 ||| SWAPPING to +6 heavy broad axe.
 35913 | D:14     | 35913 ||| SWAPPING to +9 broad axe "Kosum" {antimagic,
                  | rC+}.
 35914 | D:14     | 35914 ||| SWAPPING to +6 heavy broad axe.
 35915 | D:14     | 35915 ||| SWAPPING to +9 broad axe "Kosum" {antimagic,
                  | rC+}.
 35916 | D:14     | 35916 ||| SWAPPING to +6 heavy broad axe.
 35917 | D:14     | 35917 ||| SWAPPING to +9 broad axe "Kosum" {antimagic,
                  | rC+}.
 35918 | D:14     | 35918 ||| SWAPPING to +6 heavy broad axe.
 35919 | D:14     | 35919 ||| SWAPPING to +9 broad axe "Kosum" {antimagic,
                  | rC+}.
 35920 | D:14     | 35920 ||| SWAPPING to +6 heavy broad axe.
 35921 | D:14     | 35921 ||| SWAPPING to +9 broad axe "Kosum" {antimagic,
                  | rC+}.
 35922 | D:14     | 35922 ||| SWAPPING to +6 heavy broad axe.
 35923 | D:14     | 35923 ||| SWAPPING to +9 broad axe "Kosum" {antimagic,
                  | rC+}.
 35924 | D:14     | 35924 ||| SWAPPING to +6 heavy broad axe.
 35925 | D:14     | 35925 ||| SWAPPING to +9 broad axe "Kosum" {antimagic,
                  | rC+}.
 35926 | D:14     | 35926 ||| SWAPPING to +6 heavy broad axe.
 35927 | D:14     | 35927 ||| SWAPPING to +9 broad axe "Kosum" {antimagic,
                  | rC+}.
 35928 | D:14     | 35928 ||| SWAPPING to +6 heavy broad axe.
 35929 | D:14     | 35929 ||| SWAPPING to +9 broad axe "Kosum" {antimagic,
                  | rC+}.
 35930 | D:14     | 35930 ||| SWAPPING to +6 heavy broad axe.
 35931 | D:14     | 35931 ||| SWAPPING to +9 broad axe "Kosum" {antimagic,
                  | rC+}.
 35932 | D:14     | 35932 ||| SWAPPING to +6 heavy broad axe.
 35933 | D:14     | 35933 ||| SWAPPING to +9 broad axe "Kosum" {antimagic,
                  | rC+}.
 35934 | D:14     | 35934 ||| SWAPPING to +6 heavy broad axe.
 35935 | D:14     | 35935 ||| SWAPPING to +9 broad axe "Kosum" {antimagic,
                  | rC+}.
 35936 | D:14     | 35936 ||| SWAPPING to +6 heavy broad axe.
 35937 | D:14     | 35937 ||| SWAPPING to +9 broad axe "Kosum" {antimagic,
                  | rC+}.
 35938 | D:14     | 35938 ||| SWAPPING to +6 heavy broad axe.
 35939 | D:14     | 35939 ||| SWAPPING to +9 broad axe "Kosum" {antimagic,
                  | rC+}.
 35940 | D:14     | 35940 ||| SWAPPING to +6 heavy broad axe.
 35941 | D:14     | 35941 ||| SWAPPING to +9 broad axe "Kosum" {antimagic,
                  | rC+}.
 35942 | D:14     | 35942 ||| SWAPPING to +6 heavy broad axe.
 35943 | D:14     | 35943 ||| SWAPPING to +9 broad axe "Kosum" {antimagic,
                  | rC+}.
 35944 | D:14     | 35944 ||| SWAPPING to +6 heavy broad axe.
 35945 | D:14     | 35945 ||| SWAPPING to +9 broad axe "Kosum" {antimagic,
                  | rC+}.
 35946 | D:14     | 35946 ||| SWAPPING to +6 heavy broad axe.
 35947 | D:14     | 35947 ||| SWAPPING to +9 broad axe "Kosum" {antimagic,
                  | rC+}.
 35948 | D:14     | 35948 ||| SWAPPING to +6 heavy broad axe.
 35949 | D:14     | 35949 ||| SWAPPING to +9 broad axe "Kosum" {antimagic,
                  | rC+}.
 35950 | D:14     | 35950 ||| SWAPPING to +6 heavy broad axe.
 35951 | D:14     | 35951 ||| SWAPPING to +9 broad axe "Kosum" {antimagic,
                  | rC+}.
 35952 | D:14     | 35952 ||| SWAPPING to +6 heavy broad axe.
 35953 | D:14     | 35953 ||| SWAPPING to +9 broad axe "Kosum" {antimagic,
                  | rC+}.
 35954 | D:14     | 35954 ||| SWAPPING to +6 heavy broad axe.
 35955 | D:14     | 35955 ||| SWAPPING to +9 broad axe "Kosum" {antimagic,
                  | rC+}.
 35956 | D:14     | 35956 ||| SWAPPING to +6 heavy broad axe.
 35957 | D:14     | 35957 ||| SWAPPING to +9 broad axe "Kosum" {antimagic,
                  | rC+}.
 35958 | D:14     | 35958 ||| SWAPPING to +6 heavy broad axe.
 35959 | D:14     | 35959 ||| SWAPPING to +9 broad axe "Kosum" {antimagic,
                  | rC+}.
 35960 | D:14     | 35960 ||| SWAPPING to +6 heavy broad axe.
 35961 | D:14     | 35961 ||| SWAPPING to +9 broad axe "Kosum" {antimagic,
                  | rC+}.
 35962 | D:14     | 35962 ||| SWAPPING to +6 heavy broad axe.
 35963 | D:14     | 35963 ||| SWAPPING to +9 broad axe "Kosum" {antimagic,
                  | rC+}.
 35964 | D:14     | 35964 ||| SWAPPING to +6 heavy broad axe.
 35965 | D:14     | 35965 ||| SWAPPING to +9 broad axe "Kosum" {antimagic,
                  | rC+}.
 35966 | D:14     | 35966 ||| SWAPPING to +6 heavy broad axe.
 35967 | D:14     | 35967 ||| SWAPPING to +9 broad axe "Kosum" {antimagic,
                  | rC+}.
 35968 | D:14     | 35968 ||| SWAPPING to +6 heavy broad axe.
 35969 | D:14     | 35969 ||| SWAPPING to +9 broad axe "Kosum" {antimagic,
                  | rC+}.
 35970 | D:14     | 35970 ||| SWAPPING to +6 heavy broad axe.
 35971 | D:14     | 35971 ||| SWAPPING to +9 broad axe "Kosum" {antimagic,
                  | rC+}.
 35972 | D:14     | 35972 ||| SWAPPING to +6 heavy broad axe.
 35973 | D:14     | 35973 ||| SWAPPING to +9 broad axe "Kosum" {antimagic,
                  | rC+}.
 35974 | D:14     | 35974 ||| SWAPPING to +6 heavy broad axe.
 35975 | D:14     | 35975 ||| SWAPPING to +9 broad axe "Kosum" {antimagic,
                  | rC+}.
 35976 | D:14     | 35976 ||| SWAPPING to +6 heavy broad axe.
 35977 | D:14     | 35977 ||| SWAPPING to +9 broad axe "Kosum" {antimagic,
                  | rC+}.
 35978 | D:14     | 35978 ||| SWAPPING to +6 heavy broad axe.
 35979 | D:14     | 35979 ||| SWAPPING to +9 broad axe "Kosum" {antimagic,
                  | rC+}.
 35980 | D:14     | 35980 ||| SWAPPING to +6 heavy broad axe.
 35981 | D:14     | 35981 ||| SWAPPING to +9 broad axe "Kosum" {antimagic,
                  | rC+}.
 35982 | D:14     | 35982 ||| SWAPPING to +6 heavy broad axe.
 35983 | D:14     | 35983 ||| SWAPPING to +9 broad axe "Kosum" {antimagic,
                  | rC+}.
 35984 | D:14     | 35984 ||| SWAPPING to +6 heavy broad axe.
 35985 | D:14     | 35985 ||| SWAPPING to +9 broad axe "Kosum" {antimagic,
                  | rC+}.
 35986 | D:14     | 35986 ||| SWAPPING to +6 heavy broad axe.
 35987 | D:14     | 35987 ||| SWAPPING to +9 broad axe "Kosum" {antimagic,
                  | rC+}.
 35988 | D:14     | 35988 ||| SWAPPING to +6 heavy broad axe.
 35989 | D:14     | 35989 ||| SWAPPING to +9 broad axe "Kosum" {antimagic,
                  | rC+}.
 35990 | D:14     | 35990 ||| SWAPPING to +6 heavy broad axe.
 35991 | D:14     | 35991 ||| SWAPPING to +9 broad axe "Kosum" {antimagic,
                  | rC+}.
 35992 | D:14     | 35992 ||| SWAPPING to +6 heavy broad axe.
 35993 | D:14     | 35993 ||| SWAPPING to +9 broad axe "Kosum" {antimagic,
                  | rC+}.
 35994 | D:14     | 35994 ||| SWAPPING to +6 heavy broad axe.
 35995 | D:14     | 35995 ||| SWAPPING to +9 broad axe "Kosum" {antimagic,
                  | rC+}.
 35996 | D:14     | 35996 ||| SWAPPING to +6 heavy broad axe.
 35997 | D:14     | 35997 ||| SWAPPING to +9 broad axe "Kosum" {antimagic,
                  | rC+}.
 35998 | D:14     | 35998 ||| SWAPPING to +6 heavy broad axe.
 35999 | D:14     | 35999 ||| SWAPPING to +9 broad axe "Kosum" {antimagic,
                  | rC+}.
 36000 | D:14     | 36000 ||| SWAPPING to +6 heavy broad axe.
 36001 | D:14     | 36001 ||| SWAPPING to +9 broad axe "Kosum" {antimagic,
                  | rC+}.
 36002 | D:14     | 36002 ||| SWAPPING to +6 heavy broad axe.
 36003 | D:14     | 36003 ||| SWAPPING to +9 broad axe "Kosum" {antimagic,
                  | rC+}.
 36004 | D:14     | 36004 ||| SWAPPING to +6 heavy broad axe.
 36005 | D:14     | 36005 ||| SWAPPING to +9 broad axe "Kosum" {antimagic,
                  | rC+}.
 36006 | D:14     | 36006 ||| SWAPPING to +6 heavy broad axe.
 36007 | D:14     | 36007 ||| SWAPPING to +9 broad axe "Kosum" {antimagic,
                  | rC+}.
 36008 | D:14     | 36008 ||| SWAPPING to +6 heavy broad axe.
 36009 | D:14     | 36009 ||| SWAPPING to +9 broad axe "Kosum" {antimagic,
                  | rC+}.
 36010 | D:14     | 36010 ||| SWAPPING to +6 heavy broad axe.
 36011 | D:14     | 36011 ||| SWAPPING to +9 broad axe "Kosum" {antimagic,
                  | rC+}.
 36012 | D:14     | 36012 ||| SWAPPING to +6 heavy broad axe.
 36013 | D:14     | 36013 ||| SWAPPING to +9 broad axe "Kosum" {antimagic,
                  | rC+}.
 36014 | D:14     | 36014 ||| SWAPPING to +6 heavy broad axe.
 36015 | D:14     | 36015 ||| SWAPPING to +9 broad axe "Kosum" {antimagic,
                  | rC+}.
 36016 | D:14     | 36016 ||| SWAPPING to +6 heavy broad axe.
 36017 | D:14     | 36017 ||| SWAPPING to +9 broad axe "Kosum" {antimagic,
                  | rC+}.
 36018 | D:14     | 36018 ||| SWAPPING to +6 heavy broad axe.
 36019 | D:14     | 36019 ||| SWAPPING to +9 broad axe "Kosum" {antimagic,
                  | rC+}.
 36020 | D:14     | 36020 ||| SWAPPING to +6 heavy broad axe.
 36021 | D:14     | 36021 ||| SWAPPING to +9 broad axe "Kosum" {antimagic,
                  | rC+}.
 36022 | D:14     | 36022 ||| SWAPPING to +6 heavy broad axe.
 36023 | D:14     | 36023 ||| SWAPPING to +9 broad axe "Kosum" {antimagic,
                  | rC+}.
 36024 | D:14     | 36024 ||| SWAPPING to +6 heavy broad axe.
 36025 | D:14     | 36025 ||| SWAPPING to +9 broad axe "Kosum" {antimagic,
                  | rC+}.
 36026 | D:14     | 36026 ||| SWAPPING to +6 heavy broad axe.
 36027 | D:14     | 36027 ||| SWAPPING to +9 broad axe "Kosum" {antimagic,
                  | rC+}.
 36028 | D:14     | 36028 ||| SWAPPING to +6 heavy broad axe.
 36029 | D:14     | 36029 ||| SWAPPING to +9 broad axe "Kosum" {antimagic,
                  | rC+}.
 36030 | D:14     | 36030 ||| SWAPPING to +6 heavy broad axe.
 36031 | D:14     | 36031 ||| SWAPPING to +9 broad axe "Kosum" {antimagic,
                  | rC+}.
 36032 | D:14     | 36032 ||| SWAPPING to +6 heavy broad axe.
 36033 | D:14     | 36033 ||| SWAPPING to +9 broad axe "Kosum" {antimagic,
                  | rC+}.
 36034 | D:14     | 36034 ||| SWAPPING to +6 heavy broad axe.
 36035 | D:14     | 36035 ||| SWAPPING to +9 broad axe "Kosum" {antimagic,
                  | rC+}.
 36036 | D:14     | 36036 ||| SWAPPING to +6 heavy broad axe.
 36037 | D:14     | 36037 ||| SWAPPING to +9 broad axe "Kosum" {antimagic,
                  | rC+}.
 36038 | D:14     | 36038 ||| SWAPPING to +6 heavy broad axe.
 36039 | D:14     | 36039 ||| SWAPPING to +9 broad axe "Kosum" {antimagic,
                  | rC+}.
 36040 | D:14     | 36040 ||| SWAPPING to +6 heavy broad axe.
 36041 | D:14     | 36041 ||| SWAPPING to +9 broad axe "Kosum" {antimagic,
                  | rC+}.
 36042 | D:14     | 36042 ||| SWAPPING to +6 heavy broad axe.
 36043 | D:14     | 36043 ||| SWAPPING to +9 broad axe "Kosum" {antimagic,
                  | rC+}.
 36044 | D:14     | 36044 ||| SWAPPING to +6 heavy broad axe.
 36045 | D:14     | 36045 ||| SWAPPING to +9 broad axe "Kosum" {antimagic,
                  | rC+}.
 36046 | D:14     | 36046 ||| SWAPPING to +6 heavy broad axe.
 36047 | D:14     | 36047 ||| SWAPPING to +9 broad axe "Kosum" {antimagic,
                  | rC+}.
 36048 | D:14     | 36048 ||| SWAPPING to +6 heavy broad axe.
 36049 | D:14     | 36049 ||| SWAPPING to +9 broad axe "Kosum" {antimagic,
                  | rC+}.
 36050 | D:14     | 36050 ||| SWAPPING to +6 heavy broad axe.
 36051 | D:14     | 36051 ||| SWAPPING to +9 broad axe "Kosum" {antimagic,
                  | rC+}.
 36052 | D:14     | 36052 ||| SWAPPING to +6 heavy broad axe.
 36053 | D:14     | 36053 ||| SWAPPING to +9 broad axe "Kosum" {antimagic,
                  | rC+}.
 36054 | D:14     | 36054 ||| SWAPPING to +6 heavy broad axe.
 36055 | D:14     | 36055 ||| SWAPPING to +9 broad axe "Kosum" {antimagic,
                  | rC+}.
 36056 | D:14     | 36056 ||| SWAPPING to +6 heavy broad axe.
 36057 | D:14     | 36057 ||| SWAPPING to +9 broad axe "Kosum" {antimagic,
                  | rC+}.
 36058 | D:14     | 36058 ||| SWAPPING to +6 heavy broad axe.
 36059 | D:14     | 36059 ||| SWAPPING to +9 broad axe "Kosum" {antimagic,
                  | rC+}.
 36060 | D:14     | 36060 ||| SWAPPING to +6 heavy broad axe.
 36061 | D:14     | 36061 ||| SWAPPING to +9 broad axe "Kosum" {antimagic,
                  | rC+}.
 36062 | D:14     | 36062 ||| SWAPPING to +6 heavy broad axe.
 36063 | D:14     | 36063 ||| SWAPPING to +9 broad axe "Kosum" {antimagic,
                  | rC+}.
 36064 | D:14     | 36064 ||| SWAPPING to +6 heavy broad axe.
 36065 | D:14     | 36065 ||| SWAPPING to +9 broad axe "Kosum" {antimagic,
                  | rC+}.
 36066 | D:14     | 36066 ||| SWAPPING to +6 heavy broad axe.
 36067 | D:14     | 36067 ||| SWAPPING to +9 broad axe "Kosum" {antimagic,
                  | rC+}.
 36068 | D:14     | 36068 ||| SWAPPING to +6 heavy broad axe.
 36069 | D:14     | 36069 ||| SWAPPING to +9 broad axe "Kosum" {antimagic,
                  | rC+}.
 36070 | D:14     | 36070 ||| SWAPPING to +6 heavy broad axe.
 36071 | D:14     | 36071 ||| SWAPPING to +9 broad axe "Kosum" {antimagic,
                  | rC+}.
 36072 | D:14     | 36072 ||| SWAPPING to +6 heavy broad axe.
 36073 | D:14     | 36073 ||| SWAPPING to +9 broad axe "Kosum" {antimagic,
                  | rC+}.
 36074 | D:14     | 36074 ||| SWAPPING to +6 heavy broad axe.
 36075 | D:14     | 36075 ||| SWAPPING to +9 broad axe "Kosum" {antimagic,
                  | rC+}.
 36076 | D:14     | 36076 ||| SWAPPING to +6 heavy broad axe.
 36077 | D:14     | 36077 ||| SWAPPING to +9 broad axe "Kosum" {antimagic,
                  | rC+}.
 36078 | D:14     | 36078 ||| SWAPPING to +6 heavy broad axe.
 36079 | D:14     | 36079 ||| SWAPPING to +9 broad axe "Kosum" {antimagic,
                  | rC+}.
 36080 | D:14     | 36080 ||| SWAPPING to +6 heavy broad axe.
 36081 | D:14     | 36081 ||| SWAPPING to +9 broad axe "Kosum" {antimagic,
                  | rC+}.
 36082 | D:14     | 36082 ||| SWAPPING to +6 heavy broad axe.
 36083 | D:14     | 36083 ||| SWAPPING to +9 broad axe "Kosum" {antimagic,
                  | rC+}.
 36084 | D:14     | 36084 ||| SWAPPING to +6 heavy broad axe.
 36085 | D:14     | 36085 ||| SWAPPING to +9 broad axe "Kosum" {antimagic,
                  | rC+}.
 36086 | D:14     | 36086 ||| SWAPPING to +6 heavy broad axe.
 36087 | D:14     | 36087 ||| SWAPPING to +9 broad axe "Kosum" {antimagic,
                  | rC+}.
 36088 | D:14     | 36088 ||| SWAPPING to +6 heavy broad axe.
 36089 | D:14     | 36089 ||| SWAPPING to +9 broad axe "Kosum" {antimagic,
                  | rC+}.
 36090 | D:14     | 36090 ||| SWAPPING to +6 heavy broad axe.
 36091 | D:14     | 36091 ||| SWAPPING to +9 broad axe "Kosum" {antimagic,
                  | rC+}.
 36092 | D:14     | 36092 ||| SWAPPING to +6 heavy broad axe.
 36093 | D:14     | 36093 ||| SWAPPING to +9 broad axe "Kosum" {antimagic,
                  | rC+}.
 36094 | D:14     | 36094 ||| SWAPPING to +6 heavy broad axe.
 36095 | D:14     | 36095 ||| SWAPPING to +9 broad axe "Kosum" {antimagic,
                  | rC+}.
 36096 | D:14     | 36096 ||| SWAPPING to +6 heavy broad axe.
 36097 | D:14     | 36097 ||| SWAPPING to +9 broad axe "Kosum" {antimagic,
                  | rC+}.
 36098 | D:14     | 36098 ||| SWAPPING to +6 heavy broad axe.
 36099 | D:14     | 36099 ||| SWAPPING to +9 broad axe "Kosum" {antimagic,
                  | rC+}.
 36100 | D:14     | 36100 ||| SWAPPING to +6 heavy broad axe.
 36101 | D:14     | 36101 ||| SWAPPING to +9 broad axe "Kosum" {antimagic,
                  | rC+}.
 36102 | D:14     | 36102 ||| SWAPPING to +6 heavy broad axe.
 36103 | D:14     | 36103 ||| SWAPPING to +9 broad axe "Kosum" {antimagic,
                  | rC+}.
 36104 | D:14     | 36104 ||| SWAPPING to +6 heavy broad axe.
 36105 | D:14     | 36105 ||| SWAPPING to +9 broad axe "Kosum" {antimagic,
                  | rC+}.
 36106 | D:14     | 36106 ||| SWAPPING to +6 heavy broad axe.
 36107 | D:14     | 36107 ||| SWAPPING to +9 broad axe "Kosum" {antimagic,
                  | rC+}.
 36108 | D:14     | 36108 ||| SWAPPING to +6 heavy broad axe.
 36109 | D:14     | 36109 ||| SWAPPING to +9 broad axe "Kosum" {antimagic,
                  | rC+}.
 36110 | D:14     | 36110 ||| SWAPPING to +6 heavy broad axe.
 36111 | D:14     | 36111 ||| SWAPPING to +9 broad axe "Kosum" {antimagic,
                  | rC+}.
 36112 | D:14     | 36112 ||| SWAPPING to +6 heavy broad axe.
 36113 | D:14     | 36113 ||| SWAPPING to +9 broad axe "Kosum" {antimagic,
                  | rC+}.
 36114 | D:14     | 36114 ||| SWAPPING to +6 heavy broad axe.
 36115 | D:14     | 36115 ||| SWAPPING to +9 broad axe "Kosum" {antimagic,
                  | rC+}.
 36116 | D:14     | 36116 ||| SWAPPING to +6 heavy broad axe.
 36117 | D:14     | 36117 ||| SWAPPING to +9 broad axe "Kosum" {antimagic,
                  | rC+}.
 36118 | D:14     | 36118 ||| SWAPPING to +6 heavy broad axe.
 36119 | D:14     | 36119 ||| SWAPPING to +9 broad axe "Kosum" {antimagic,
                  | rC+}.
 36120 | D:14     | 36120 ||| SWAPPING to +6 heavy broad axe.
 36121 | D:14     | 36121 ||| SWAPPING to +9 broad axe "Kosum" {antimagic,
                  | rC+}.
 36122 | D:14     | 36122 ||| SWAPPING to +6 heavy broad axe.
 36123 | D:14     | 36123 ||| SWAPPING to +9 broad axe "Kosum" {antimagic,
                  | rC+}.
 36124 | D:14     | 36124 ||| SWAPPING to +6 heavy broad axe.
 36125 | D:14     | 36125 ||| SWAPPING to +9 broad axe "Kosum" {antimagic,
                  | rC+}.
 36126 | D:14     | 36126 ||| SWAPPING to +6 heavy broad axe.
 36127 | D:14     | 36127 ||| SWAPPING to +9 broad axe "Kosum" {antimagic,
                  | rC+}.
 36128 | D:14     | 36128 ||| SWAPPING to +6 heavy broad axe.
 36129 | D:14     | 36129 ||| SWAPPING to +9 broad axe "Kosum" {antimagic,
                  | rC+}.
 36130 | D:14     | 36130 ||| SWAPPING to +6 heavy broad axe.
 36131 | D:14     | 36131 ||| SWAPPING to +9 broad axe "Kosum" {antimagic,
                  | rC+}.
 36132 | D:14     | 36132 ||| SWAPPING to +6 heavy broad axe.
 36133 | D:14     | 36133 ||| SWAPPING to +9 broad axe "Kosum" {antimagic,
                  | rC+}.
 36134 | D:14     | 36134 ||| SWAPPING to +6 heavy broad axe.
 36135 | D:14     | 36135 ||| SWAPPING to +9 broad axe "Kosum" {antimagic,
                  | rC+}.
 36136 | D:14     | 36136 ||| SWAPPING to +6 heavy broad axe.
 36137 | D:14     | 36137 ||| SWAPPING to +9 broad axe "Kosum" {antimagic,
                  | rC+}.
 36138 | D:14     | 36138 ||| SWAPPING to +6 heavy broad axe.
 36139 | D:14     | 36139 ||| SWAPPING to +9 broad axe "Kosum" {antimagic,
                  | rC+}.
 36140 | D:14     | 36140 ||| SWAPPING to +6 heavy broad axe.
 36141 | D:14     | 36141 ||| SWAPPING to +9 broad axe "Kosum" {antimagic,
                  | rC+}.
 36142 | D:14     | 36142 ||| SWAPPING to +6 heavy broad axe.
 36143 | D:14     | 36143 ||| SWAPPING to +9 broad axe "Kosum" {antimagic,
                  | rC+}.
 36144 | D:14     | 36144 ||| SWAPPING to +6 heavy broad axe.
 36145 | D:14     | 36145 ||| SWAPPING to +9 broad axe "Kosum" {antimagic,
                  | rC+}.
 36146 | D:14     | 36146 ||| SWAPPING to +6 heavy broad axe.
 36147 | D:14     | 36147 ||| SWAPPING to +9 broad axe "Kosum" {antimagic,
                  | rC+}.
 36148 | D:14     | 36148 ||| SWAPPING to +6 heavy broad axe.
 36149 | D:14     | 36149 ||| SWAPPING to +9 broad axe "Kosum" {antimagic,
                  | rC+}.
 36150 | D:14     | 36150 ||| SWAPPING to +6 heavy broad axe.
 36151 | D:14     | 36151 ||| SWAPPING to +9 broad axe "Kosum" {antimagic,
                  | rC+}.
 36152 | D:14     | 36152 ||| SWAPPING to +6 heavy broad axe.
 36153 | D:14     | 36153 ||| SWAPPING to +9 broad axe "Kosum" {antimagic,
                  | rC+}.
 36154 | D:14     | 36154 ||| SWAPPING to +6 heavy broad axe.
 36155 | D:14     | 36155 ||| SWAPPING to +9 broad axe "Kosum" {antimagic,
                  | rC+}.
 36156 | D:14     | 36156 ||| SWAPPING to +6 heavy broad axe.
 36157 | D:14     | 36157 ||| SWAPPING to +9 broad axe "Kosum" {antimagic,
                  | rC+}.
 36158 | D:14     | 36158 ||| SWAPPING to +6 heavy broad axe.
 36159 | D:14     | 36159 ||| SWAPPING to +9 broad axe "Kosum" {antimagic,
                  | rC+}.
 36160 | D:14     | 36160 ||| SWAPPING to +6 heavy broad axe.
 36161 | D:14     | 36161 ||| SWAPPING to +9 broad axe "Kosum" {antimagic,
                  | rC+}.
 36162 | D:14     | 36162 ||| SWAPPING to +6 heavy broad axe.
 36163 | D:14     | 36163 ||| SWAPPING to +9 broad axe "Kosum" {antimagic,
                  | rC+}.
 36164 | D:14     | 36164 ||| SWAPPING to +6 heavy broad axe.
 36165 | D:14     | 36165 ||| SWAPPING to +9 broad axe "Kosum" {antimagic,
                  | rC+}.
 36166 | D:14     | 36166 ||| SWAPPING to +6 heavy broad axe.
 36167 | D:14     | 36167 ||| SWAPPING to +9 broad axe "Kosum" {antimagic,
                  | rC+}.
 36168 | D:14     | 36168 ||| SWAPPING to +6 heavy broad axe.
 36169 | D:14     | 36169 ||| SWAPPING to +9 broad axe "Kosum" {antimagic,
                  | rC+}.
 36170 | D:14     | 36170 ||| SWAPPING to +6 heavy broad axe.
 36171 | D:14     | 36171 ||| SWAPPING to +9 broad axe "Kosum" {antimagic,
                  | rC+}.
 36172 | D:14     | 36172 ||| SWAPPING to +6 heavy broad axe.
 36173 | D:14     | 36173 ||| SWAPPING to +9 broad axe "Kosum" {antimagic,
                  | rC+}.
 36174 | D:14     | 36174 ||| SWAPPING to +6 heavy broad axe.
 36175 | D:14     | 36175 ||| SWAPPING to +9 broad axe "Kosum" {antimagic,
                  | rC+}.
 36176 | D:14     | 36176 ||| SWAPPING to +6 heavy broad axe.
 36177 | D:14     | 36177 ||| SWAPPING to +9 broad axe "Kosum" {antimagic,
                  | rC+}.
 36178 | D:14     | 36178 ||| SWAPPING to +6 heavy broad axe.
 36179 | D:14     | 36179 ||| SWAPPING to +9 broad axe "Kosum" {antimagic,
                  | rC+}.
 36180 | D:14     | 36180 ||| SWAPPING to +6 heavy broad axe.
 36181 | D:14     | 36181 ||| SWAPPING to +9 broad axe "Kosum" {antimagic,
                  | rC+}.
 36182 | D:14     | 36182 ||| SWAPPING to +6 heavy broad axe.
 36183 | D:14     | 36183 ||| SWAPPING to +9 broad axe "Kosum" {antimagic,
                  | rC+}.
 36184 | D:14     | 36184 ||| SWAPPING to +6 heavy broad axe.
 36185 | D:14     | 36185 ||| SWAPPING to +9 broad axe "Kosum" {antimagic,
                  | rC+}.
 36186 | D:14     | 36186 ||| SWAPPING to +6 heavy broad axe.
 36187 | D:14     | 36187 ||| SWAPPING to +9 broad axe "Kosum" {antimagic,
                  | rC+}.
 36188 | D:14     | 36188 ||| SWAPPING to +6 heavy broad axe.
 36189 | D:14     | 36189 ||| SWAPPING to +9 broad axe "Kosum" {antimagic,
                  | rC+}.
 36190 | D:14     | 36190 ||| SWAPPING to +6 heavy broad axe.
 36191 | D:14     | 36191 ||| SWAPPING to +9 broad axe "Kosum" {antimagic,
                  | rC+}.
 36192 | D:14     | 36192 ||| SWAPPING to +6 heavy broad axe.
 36193 | D:14     | 36193 ||| SWAPPING to +9 broad axe "Kosum" {antimagic,
                  | rC+}.
 36194 | D:14     | 36194 ||| SWAPPING to +6 heavy broad axe.
 36195 | D:14     | 36195 ||| SWAPPING to +9 broad axe "Kosum" {antimagic,
                  | rC+}.
 36196 | D:14     | 36196 ||| SWAPPING to +6 heavy broad axe.
 36197 | D:14     | 36197 ||| SWAPPING to +9 broad axe "Kosum" {antimagic,
                  | rC+}.
 36198 | D:14     | 36198 ||| SWAPPING to +6 heavy broad axe.
 36199 | D:14     | 36199 ||| SWAPPING to +9 broad axe "Kosum" {antimagic,
                  | rC+}.
 36200 | D:14     | 36200 ||| SWAPPING to +6 heavy broad axe.
 36201 | D:14     | 36201 ||| SWAPPING to +9 broad axe "Kosum" {antimagic,
                  | rC+}.
 36202 | D:14     | 36202 ||| SWAPPING to +6 heavy broad axe.
 36203 | D:14     | 36203 ||| SWAPPING to +9 broad axe "Kosum" {antimagic,
                  | rC+}.
 36204 | D:14     | 36204 ||| SWAPPING to +6 heavy broad axe.
 36205 | D:14     | 36205 ||| SWAPPING to +9 broad axe "Kosum" {antimagic,
                  | rC+}.
 36206 | D:14     | 36206 ||| SWAPPING to +6 heavy broad axe.
 36207 | D:14     | 36207 ||| SWAPPING to +9 broad axe "Kosum" {antimagic,
                  | rC+}.
 36208 | D:14     | 36208 ||| SWAPPING to +6 heavy broad axe.
 36209 | D:14     | 36209 ||| SWAPPING to +9 broad axe "Kosum" {antimagic,
                  | rC+}.
 36210 | D:14     | 36210 ||| SWAPPING to +6 heavy broad axe.
 36211 | D:14     | 36211 ||| SWAPPING to +9 broad axe "Kosum" {antimagic,
                  | rC+}.
 36212 | D:14     | 36212 ||| SWAPPING to +6 heavy broad axe.
 36213 | D:14     | 36213 ||| SWAPPING to +9 broad axe "Kosum" {antimagic,
                  | rC+}.
 36214 | D:14     | 36214 ||| SWAPPING to +6 heavy broad axe.
 36215 | D:14     | 36215 ||| SWAPPING to +9 broad axe "Kosum" {antimagic,
                  | rC+}.
 36216 | D:14     | 36216 ||| SWAPPING to +6 heavy broad axe.
 36217 | D:14     | 36217 ||| SWAPPING to +9 broad axe "Kosum" {antimagic,
                  | rC+}.
 36218 | D:14     | 36218 ||| SWAPPING to +6 heavy broad axe.
 36219 | D:14     | 36219 ||| SWAPPING to +9 broad axe "Kosum" {antimagic,
                  | rC+}.
 36220 | D:14     | 36220 ||| SWAPPING to +6 heavy broad axe.
 36221 | D:14     | 36221 ||| SWAPPING to +9 broad axe "Kosum" {antimagic,
                  | rC+}.
 36222 | D:14     | 36222 ||| SWAPPING to +6 heavy broad axe.
 36223 | D:14     | 36223 ||| SWAPPING to +9 broad axe "Kosum" {antimagic,
                  | rC+}.
 36224 | D:14     | 36224 ||| SWAPPING to +6 heavy broad axe.
 36225 | D:14     | 36225 ||| SWAPPING to +9 broad axe "Kosum" {antimagic,
                  | rC+}.
 36226 | D:14     | 36226 ||| SWAPPING to +6 heavy broad axe.
 36227 | D:14     | 36227 ||| SWAPPING to +9 broad axe "Kosum" {antimagic,
                  | rC+}.
 36228 | D:14     | 36228 ||| SWAPPING to +6 heavy broad axe.
 36229 | D:14     | 36229 ||| SWAPPING to +9 broad axe "Kosum" {antimagic,
                  | rC+}.
 36230 | D:14     | 36230 ||| SWAPPING to +6 heavy broad axe.
 36231 | D:14     | 36231 ||| SWAPPING to +9 broad axe "Kosum" {antimagic,
                  | rC+}.
 36232 | D:14     | 36232 ||| SWAPPING to +6 heavy broad axe.
 36233 | D:14     | 36233 ||| SWAPPING to +9 broad axe "Kosum" {antimagic,
                  | rC+}.
 36234 | D:14     | 36234 ||| SWAPPING to +6 heavy broad axe.
 36235 | D:14     | 36235 ||| SWAPPING to +9 broad axe "Kosum" {antimagic,
                  | rC+}.
 36236 | D:14     | 36236 ||| SWAPPING to +6 heavy broad axe.
 36237 | D:14     | 36237 ||| SWAPPING to +9 broad axe "Kosum" {antimagic,
                  | rC+}.
 36238 | D:14     | 36238 ||| SWAPPING to +6 heavy broad axe.
 36239 | D:14     | 36239 ||| SWAPPING to +9 broad axe "Kosum" {antimagic,
                  | rC+}.
 36240 | D:14     | 36240 ||| SWAPPING to +6 heavy broad axe.
 36241 | D:14     | 36241 ||| SWAPPING to +9 broad axe "Kosum" {antimagic,
                  | rC+}.
 36242 | D:14     | 36242 ||| SWAPPING to +6 heavy broad axe.
 36243 | D:14     | 36243 ||| SWAPPING to +9 broad axe "Kosum" {antimagic,
                  | rC+}.
 36244 | D:14     | 36244 ||| SWAPPING to +6 heavy broad axe.
 36245 | D:14     | 36245 ||| SWAPPING to +9 broad axe "Kosum" {antimagic,
                  | rC+}.
 36246 | D:14     | 36246 ||| SWAPPING to +6 heavy broad axe.
 36247 | D:14     | 36247 ||| SWAPPING to +9 broad axe "Kosum" {antimagic,
                  | rC+}.
 36248 | D:14     | 36248 ||| SWAPPING to +6 heavy broad axe.
 36249 | D:14     | 36249 ||| SWAPPING to +9 broad axe "Kosum" {antimagic,
                  | rC+}.
 36250 | D:14     | 36250 ||| SWAPPING to +6 heavy broad axe.
 36251 | D:14     | 36251 ||| SWAPPING to +9 broad axe "Kosum" {antimagic,
                  | rC+}.
 36252 | D:14     | 36252 ||| SWAPPING to +6 heavy broad axe.
 36253 | D:14     | 36253 ||| SWAPPING to +9 broad axe "Kosum" {antimagic,
                  | rC+}.
 36254 | D:14     | 36254 ||| SWAPPING to +6 heavy broad axe.
 36255 | D:14     | 36255 ||| SWAPPING to +9 broad axe "Kosum" {antimagic,
                  | rC+}.
 36256 | D:14     | 36256 ||| SWAPPING to +6 heavy broad axe.
 36257 | D:14     | 36257 ||| SWAPPING to +9 broad axe "Kosum" {antimagic,
                  | rC+}.
 36258 | D:14     | 36258 ||| SWAPPING to +6 heavy broad axe.
 36259 | D:14     | 36259 ||| SWAPPING to +9 broad axe "Kosum" {antimagic,
                  | rC+}.
 36260 | D:14     | 36260 ||| SWAPPING to +6 heavy broad axe.
 36261 | D:14     | 36261 ||| SWAPPING to +9 broad axe "Kosum" {antimagic,
                  | rC+}.
 36262 | D:14     | 36262 ||| SWAPPING to +6 heavy broad axe.
 36263 | D:14     | 36263 ||| SWAPPING to +9 broad axe "Kosum" {antimagic,
                  | rC+}.
 36264 | D:14     | 36264 ||| SWAPPING to +6 heavy broad axe.
 36265 | D:14     | 36265 ||| SWAPPING to +9 broad axe "Kosum" {antimagic,
                  | rC+}.
 36266 | D:14     | 36266 ||| SWAPPING to +6 heavy broad axe.
 36267 | D:14     | 36267 ||| SWAPPING to +9 broad axe "Kosum" {antimagic,
                  | rC+}.
 36268 | D:14     | 36268 ||| SWAPPING to +6 heavy broad axe.
 36269 | D:14     | 36269 ||| SWAPPING to +9 broad axe "Kosum" {antimagic,
                  | rC+}.
 36270 | D:14     | 36270 ||| SWAPPING to +6 heavy broad axe.
 36271 | D:14     | 36271 ||| SWAPPING to +9 broad axe "Kosum" {antimagic,
                  | rC+}.
 36272 | D:14     | 36272 ||| SWAPPING to +6 heavy broad axe.
 36273 | D:14     | 36273 ||| SWAPPING to +9 broad axe "Kosum" {antimagic,
                  | rC+}.
 36274 | D:14     | 36274 ||| SWAPPING to +6 heavy broad axe.
 36275 | D:14     | 36275 ||| SWAPPING to +9 broad axe "Kosum" {antimagic,
                  | rC+}.
 36276 | D:14     | 36276 ||| SWAPPING to +6 heavy broad axe.
 36277 | D:14     | 36277 ||| SWAPPING to +9 broad axe "Kosum" {antimagic,
                  | rC+}.
 36278 | D:14     | 36278 ||| SWAPPING to +6 heavy broad axe.
 36279 | D:14     | 36279 ||| SWAPPING to +9 broad axe "Kosum" {antimagic,
                  | rC+}.
 36280 | D:14     | 36280 ||| SWAPPING to +6 heavy broad axe.
 36281 | D:14     | 36281 ||| SWAPPING to +9 broad axe "Kosum" {antimagic,
                  | rC+}.
 36282 | D:14     | 36282 ||| SWAPPING to +6 heavy broad axe.
 36283 | D:14     | 36283 ||| SWAPPING to +9 broad axe "Kosum" {antimagic,
                  | rC+}.
 36284 | D:14     | 36284 ||| SWAPPING to +6 heavy broad axe.
 36285 | D:14     | 36285 ||| SWAPPING to +9 broad axe "Kosum" {antimagic,
                  | rC+}.
 36286 | D:14     | 36286 ||| SWAPPING to +6 heavy broad axe.
 36287 | D:14     | 36287 ||| SWAPPING to +9 broad axe "Kosum" {antimagic,
                  | rC+}.
 36288 | D:14     | 36288 ||| SWAPPING to +6 heavy broad axe.
 36289 | D:14     | 36289 ||| SWAPPING to +9 broad axe "Kosum" {antimagic,
                  | rC+}.
 36290 | D:14     | 36290 ||| SWAPPING to +6 heavy broad axe.
 36291 | D:14     | 36291 ||| SWAPPING to +9 broad axe "Kosum" {antimagic,
                  | rC+}.
 36292 | D:14     | 36292 ||| SWAPPING to +6 heavy broad axe.
 36293 | D:14     | 36293 ||| SWAPPING to +9 broad axe "Kosum" {antimagic,
                  | rC+}.
 36294 | D:14     | 36294 ||| SWAPPING to +6 heavy broad axe.
 36295 | D:14     | 36295 ||| SWAPPING to +9 broad axe "Kosum" {antimagic,
                  | rC+}.
 36296 | D:14     | 36296 ||| SWAPPING to +6 heavy broad axe.
 36297 | D:14     | 36297 ||| SWAPPING to +9 broad axe "Kosum" {antimagic,
                  | rC+}.
 36298 | D:14     | 36298 ||| SWAPPING to +6 heavy broad axe.
 36299 | D:14     | 36299 ||| SWAPPING to +9 broad axe "Kosum" {antimagic,
                  | rC+}.
 36300 | D:14     | 36300 ||| SWAPPING to +6 heavy broad axe.
 36301 | D:14     | 36301 ||| SWAPPING to +9 broad axe "Kosum" {antimagic,
                  | rC+}.
 36302 | D:14     | 36302 ||| SWAPPING to +6 heavy broad axe.
 36303 | D:14     | 36303 ||| SWAPPING to +9 broad axe "Kosum" {antimagic,
                  | rC+}.
 36304 | D:14     | 36304 ||| SWAPPING to +6 heavy broad axe.
 36305 | D:14     | 36305 ||| SWAPPING to +9 broad axe "Kosum" {antimagic,
                  | rC+}.
 36306 | D:14     | 36306 ||| SWAPPING to +6 heavy broad axe.
 36307 | D:14     | 36307 ||| SWAPPING to +9 broad axe "Kosum" {antimagic,
                  | rC+}.
 36308 | D:14     | 36308 ||| SWAPPING to +6 heavy broad axe.
 36309 | D:14     | 36309 ||| SWAPPING to +9 broad axe "Kosum" {antimagic,
                  | rC+}.
 36310 | D:14     | 36310 ||| SWAPPING to +6 heavy broad axe.
 36311 | D:14     | 36311 ||| SWAPPING to +9 broad axe "Kosum" {antimagic,
                  | rC+}.
 36312 | D:14     | 36312 ||| SWAPPING to +6 heavy broad axe.
 36313 | D:14     | 36313 ||| SWAPPING to +9 broad axe "Kosum" {antimagic,
                  | rC+}.
 36314 | D:14     | 36314 ||| SWAPPING to +6 heavy broad axe.
 36315 | D:14     | 36315 ||| SWAPPING to +9 broad axe "Kosum" {antimagic,
                  | rC+}.
 36316 | D:14     | 36316 ||| SWAPPING to +6 heavy broad axe.
 36317 | D:14     | 36317 ||| SWAPPING to +9 broad axe "Kosum" {antimagic,
                  | rC+}.
 36318 | D:14     | 36318 ||| SWAPPING to +6 heavy broad axe.
 36319 | D:14     | 36319 ||| SWAPPING to +9 broad axe "Kosum" {antimagic,
                  | rC+}.
 36320 | D:14     | 36320 ||| SWAPPING to +6 heavy broad axe.
 36321 | D:14     | 36321 ||| SWAPPING to +9 broad axe "Kosum" {antimagic,
                  | rC+}.
 36322 | D:14     | 36322 ||| SWAPPING to +6 heavy broad axe.
 36323 | D:14     | 36323 ||| SWAPPING to +9 broad axe "Kosum" {antimagic,
                  | rC+}.
 36324 | D:14     | 36324 ||| SWAPPING to +6 heavy broad axe.
 36325 | D:14     | 36325 ||| SWAPPING to +9 broad axe "Kosum" {antimagic,
                  | rC+}.
 36326 | D:14     | 36326 ||| SWAPPING to +6 heavy broad axe.
 36327 | D:14     | 36327 ||| SWAPPING to +9 broad axe "Kosum" {antimagic,
                  | rC+}.
 36328 | D:14     | 36328 ||| SWAPPING to +6 heavy broad axe.
 36329 | D:14     | 36329 ||| SWAPPING to +9 broad axe "Kosum" {antimagic,
                  | rC+}.
 36330 | D:14     | 36330 ||| SWAPPING to +6 heavy broad axe.
 36331 | D:14     | 36331 ||| SWAPPING to +9 broad axe "Kosum" {antimagic,
                  | rC+}.
 36332 | D:14     | 36332 ||| SWAPPING to +6 heavy broad axe.
 36333 | D:14     | 36333 ||| SWAPPING to +9 broad axe "Kosum" {antimagic,
                  | rC+}.
 36334 | D:14     | 36334 ||| SWAPPING to +6 heavy broad axe.
 36335 | D:14     | 36335 ||| SWAPPING to +9 broad axe "Kosum" {antimagic,
                  | rC+}.
 36336 | D:14     | 36336 ||| SWAPPING to +6 heavy broad axe.
 36337 | D:14     | 36337 ||| SWAPPING to +9 broad axe "Kosum" {antimagic,
                  | rC+}.
 36338 | D:14     | 36338 ||| SWAPPING to +6 heavy broad axe.
 36339 | D:14     | 36339 ||| SWAPPING to +9 broad axe "Kosum" {antimagic,
                  | rC+}.
 36340 | D:14     | 36340 ||| SWAPPING to +6 heavy broad axe.
 36341 | D:14     | 36341 ||| SWAPPING to +9 broad axe "Kosum" {antimagic,
                  | rC+}.
 36342 | D:14     | 36342 ||| SWAPPING to +6 heavy broad axe.
 36343 | D:14     | 36343 ||| SWAPPING to +9 broad axe "Kosum" {antimagic,
                  | rC+}.
 36344 | D:14     | 36344 ||| SWAPPING to +6 heavy broad axe.
 36345 | D:14     | 36345 ||| SWAPPING to +9 broad axe "Kosum" {antimagic,
                  | rC+}.
 36346 | D:14     | 36346 ||| SWAPPING to +6 heavy broad axe.
 36347 | D:14     | 36347 ||| SWAPPING to +9 broad axe "Kosum" {antimagic,
                  | rC+}.
 36348 | D:14     | 36348 ||| SWAPPING to +6 heavy broad axe.
 36349 | D:14     | 36349 ||| SWAPPING to +9 broad axe "Kosum" {antimagic,
                  | rC+}.
 36350 | D:14     | 36350 ||| SWAPPING to +6 heavy broad axe.
 36351 | D:14     | 36351 ||| SWAPPING to +9 broad axe "Kosum" {antimagic,
                  | rC+}.
 36352 | D:14     | 36352 ||| SWAPPING to +6 heavy broad axe.
 36353 | D:14     | 36353 ||| SWAPPING to +9 broad axe "Kosum" {antimagic,
                  | rC+}.
 36354 | D:14     | 36354 ||| SWAPPING to +6 heavy broad axe.
 36355 | D:14     | 36355 ||| SWAPPING to +9 broad axe "Kosum" {antimagic,
                  | rC+}.
 36356 | D:14     | 36356 ||| SWAPPING to +6 heavy broad axe.
 36357 | D:14     | 36357 ||| SWAPPING to +9 broad axe "Kosum" {antimagic,
                  | rC+}.
 36358 | D:14     | 36358 ||| SWAPPING to +6 heavy broad axe.
 36359 | D:14     | 36359 ||| SWAPPING to +9 broad axe "Kosum" {antimagic,
                  | rC+}.
 36360 | D:14     | 36360 ||| SWAPPING to +6 heavy broad axe.
 36361 | D:14     | 36361 ||| SWAPPING to +9 broad axe "Kosum" {antimagic,
                  | rC+}.
 36362 | D:14     | 36362 ||| SWAPPING to +6 heavy broad axe.
 36363 | D:14     | 36363 ||| SWAPPING to +9 broad axe "Kosum" {antimagic,
                  | rC+}.
 36364 | D:14     | 36364 ||| SWAPPING to +6 heavy broad axe.
 36365 | D:14     | 36365 ||| SWAPPING to +9 broad axe "Kosum" {antimagic,
                  | rC+}.
 36366 | D:14     | 36366 ||| SWAPPING to +6 heavy broad axe.
 36367 | D:14     | 36367 ||| SWAPPING to +9 broad axe "Kosum" {antimagic,
                  | rC+}.
 36368 | D:14     | 36368 ||| SWAPPING to +6 heavy broad axe.
 36369 | D:14     | 36369 ||| SWAPPING to +9 broad axe "Kosum" {antimagic,
                  | rC+}.
 36370 | D:14     | 36370 ||| SWAPPING to +6 heavy broad axe.
 36371 | D:14     | 36371 ||| SWAPPING to +9 broad axe "Kosum" {antimagic,
                  | rC+}.
 36372 | D:14     | 36372 ||| SWAPPING to +6 heavy broad axe.
 36373 | D:14     | 36373 ||| SWAPPING to +9 broad axe "Kosum" {antimagic,
                  | rC+}.
 36374 | D:14     | 36374 ||| SWAPPING to +6 heavy broad axe.
 36375 | D:14     | 36375 ||| SWAPPING to +9 broad axe "Kosum" {antimagic,
                  | rC+}.
 36376 | D:14     | 36376 ||| SWAPPING to +6 heavy broad axe.
 36377 | D:14     | 36377 ||| SWAPPING to +9 broad axe "Kosum" {antimagic,
                  | rC+}.
 36378 | D:14     | 36378 ||| SWAPPING to +6 heavy broad axe.
 36379 | D:14     | 36379 ||| SWAPPING to +9 broad axe "Kosum" {antimagic,
                  | rC+}.
 36380 | D:14     | 36380 ||| SWAPPING to +6 heavy broad axe.
 36381 | D:14     | 36381 ||| SWAPPING to +9 broad axe "Kosum" {antimagic,
                  | rC+}.
 36382 | D:14     | 36382 ||| SWAPPING to +6 heavy broad axe.
 36383 | D:14     | 36383 ||| SWAPPING to +9 broad axe "Kosum" {antimagic,
                  | rC+}.
 36384 | D:14     | 36384 ||| SWAPPING to +6 heavy broad axe.
 36385 | D:14     | 36385 ||| SWAPPING to +9 broad axe "Kosum" {antimagic,
                  | rC+}.
 36386 | D:14     | 36386 ||| SWAPPING to +6 heavy broad axe.
 36387 | D:14     | 36387 ||| SWAPPING to +9 broad axe "Kosum" {antimagic,
                  | rC+}.
 36388 | D:14     | 36388 ||| SWAPPING to +6 heavy broad axe.
 36389 | D:14     | 36389 ||| SWAPPING to +9 broad axe "Kosum" {antimagic,
                  | rC+}.
 36390 | D:14     | 36390 ||| SWAPPING to +6 heavy broad axe.
 36391 | D:14     | 36391 ||| SWAPPING to +9 broad axe "Kosum" {antimagic,
                  | rC+}.
 36392 | D:14     | 36392 ||| SWAPPING to +6 heavy broad axe.
 36393 | D:14     | 36393 ||| SWAPPING to +9 broad axe "Kosum" {antimagic,
                  | rC+}.
 36394 | D:14     | 36394 ||| SWAPPING to +6 heavy broad axe.
 36395 | D:14     | 36395 ||| SWAPPING to +9 broad axe "Kosum" {antimagic,
                  | rC+}.
 36396 | D:14     | 36396 ||| SWAPPING to +6 heavy broad axe.
 36397 | D:14     | 36397 ||| SWAPPING to +9 broad axe "Kosum" {antimagic,
                  | rC+}.
 36398 | D:14     | 36398 ||| SWAPPING to +6 heavy broad axe.
 36399 | D:14     | 36399 ||| SWAPPING to +9 broad axe "Kosum" {antimagic,
                  | rC+}.
 36400 | D:14     | 36400 ||| SWAPPING to +6 heavy broad axe.
 36401 | D:14     | 36401 ||| SWAPPING to +9 broad axe "Kosum" {antimagic,
                  | rC+}.
 36402 | D:14     | 36402 ||| SWAPPING to +6 heavy broad axe.
 36403 | D:14     | 36403 ||| SWAPPING to +9 broad axe "Kosum" {antimagic,
                  | rC+}.
 36404 | D:14     | 36404 ||| SWAPPING to +6 heavy broad axe.
 36405 | D:14     | 36405 ||| SWAPPING to +9 broad axe "Kosum" {antimagic,
                  | rC+}.
 36406 | D:14     | 36406 ||| SWAPPING to +6 heavy broad axe.
 36407 | D:14     | 36407 ||| SWAPPING to +9 broad axe "Kosum" {antimagic,
                  | rC+}.
 36408 | D:14     | 36408 ||| SWAPPING to +6 heavy broad axe.
 36409 | D:14     | 36409 ||| SWAPPING to +9 broad axe "Kosum" {antimagic,
                  | rC+}.
 36410 | D:14     | 36410 ||| SWAPPING to +6 heavy broad axe.
 36411 | D:14     | 36411 ||| SWAPPING to +9 broad axe "Kosum" {antimagic,
                  | rC+}.
 36412 | D:14     | 36412 ||| SWAPPING to +6 heavy broad axe.
 36413 | D:14     | 36413 ||| SWAPPING to +9 broad axe "Kosum" {antimagic,
                  | rC+}.
 36414 | D:14     | 36414 ||| SWAPPING to +6 heavy broad axe.
 36415 | D:14     | 36415 ||| SWAPPING to +9 broad axe "Kosum" {antimagic,
                  | rC+}.
 36416 | D:14     | 36416 ||| SWAPPING to +6 heavy broad axe.
 36417 | D:14     | 36417 ||| SWAPPING to +9 broad axe "Kosum" {antimagic,
                  | rC+}.
 36418 | D:14     | 36418 ||| SWAPPING to +6 heavy broad axe.
 36419 | D:14     | 36419 ||| SWAPPING to +9 broad axe "Kosum" {antimagic,
                  | rC+}.
 36420 | D:14     | 36420 ||| SWAPPING to +6 heavy broad axe.
 36421 | D:14     | 36421 ||| SWAPPING to +9 broad axe "Kosum" {antimagic,
                  | rC+}.
 36422 | D:14     | 36422 ||| SWAPPING to +6 heavy broad axe.
 36423 | D:14     | 36423 ||| SWAPPING to +9 broad axe "Kosum" {antimagic,
                  | rC+}.
 36424 | D:14     | 36424 ||| SWAPPING to +6 heavy broad axe.
 36425 | D:14     | 36425 ||| SWAPPING to +9 broad axe "Kosum" {antimagic,
                  | rC+}.
 36426 | D:14     | 36426 ||| SWAPPING to +6 heavy broad axe.
 36427 | D:14     | 36427 ||| SWAPPING to +9 broad axe "Kosum" {antimagic,
                  | rC+}.
 36428 | D:14     | 36428 ||| SWAPPING to +6 heavy broad axe.
 36429 | D:14     | 36429 ||| SWAPPING to +9 broad axe "Kosum" {antimagic,
                  | rC+}.
 36430 | D:14     | 36430 ||| SWAPPING to +6 heavy broad axe.
 36431 | D:14     | 36431 ||| SWAPPING to +9 broad axe "Kosum" {antimagic,
                  | rC+}.
 36432 | D:14     | 36432 ||| SWAPPING to +6 heavy broad axe.
 36433 | D:14     | 36433 ||| SWAPPING to +9 broad axe "Kosum" {antimagic,
                  | rC+}.
 36434 | D:14     | 36434 ||| SWAPPING to +6 heavy broad axe.
 36435 | D:14     | 36435 ||| SWAPPING to +9 broad axe "Kosum" {antimagic,
                  | rC+}.
 36436 | D:14     | 36436 ||| SWAPPING to +6 heavy broad axe.
 36437 | D:14     | 36437 ||| SWAPPING to +9 broad axe "Kosum" {antimagic,
                  | rC+}.
 36438 | D:14     | 36438 ||| SWAPPING to +6 heavy broad axe.
 36439 | D:14     | 36439 ||| SWAPPING to +9 broad axe "Kosum" {antimagic,
                  | rC+}.
 36440 | D:14     | 36440 ||| SWAPPING to +6 heavy broad axe.
 36441 | D:14     | 36441 ||| SWAPPING to +9 broad axe "Kosum" {antimagic,
                  | rC+}.
 36442 | D:14     | 36442 ||| SWAPPING to +6 heavy broad axe.
 36443 | D:14     | 36443 ||| SWAPPING to +9 broad axe "Kosum" {antimagic,
                  | rC+}.
 36444 | D:14     | 36444 ||| SWAPPING to +6 heavy broad axe.
 36445 | D:14     | 36445 ||| SWAPPING to +9 broad axe "Kosum" {antimagic,
                  | rC+}.
 36446 | D:14     | 36446 ||| SWAPPING to +6 heavy broad axe.
 36447 | D:14     | 36447 ||| SWAPPING to +9 broad axe "Kosum" {antimagic,
                  | rC+}.
 36448 | D:14     | 36448 ||| SWAPPING to +6 heavy broad axe.
 36449 | D:14     | 36449 ||| SWAPPING to +9 broad axe "Kosum" {antimagic,
                  | rC+}.
 36450 | D:14     | 36450 ||| SWAPPING to +6 heavy broad axe.
 36451 | D:14     | 36451 ||| SWAPPING to +9 broad axe "Kosum" {antimagic,
                  | rC+}.
 36452 | D:14     | 36452 ||| SWAPPING to +6 heavy broad axe.
 36453 | D:14     | 36453 ||| SWAPPING to +9 broad axe "Kosum" {antimagic,
                  | rC+}.
 36454 | D:14     | 36454 ||| SWAPPING to +6 heavy broad axe.
 36455 | D:14     | 36455 ||| SWAPPING to +9 broad axe "Kosum" {antimagic,
                  | rC+}.
 36456 | D:14     | 36456 ||| SWAPPING to +6 heavy broad axe.
 36457 | D:14     | 36457 ||| SWAPPING to +9 broad axe "Kosum" {antimagic,
                  | rC+}.
 36458 | D:14     | 36458 ||| SWAPPING to +6 heavy broad axe.
 36459 | D:14     | 36459 ||| SWAPPING to +9 broad axe "Kosum" {antimagic,
                  | rC+}.
 36460 | D:14     | 36460 ||| SWAPPING to +6 heavy broad axe.
 36461 | D:14     | 36461 ||| SWAPPING to +9 broad axe "Kosum" {antimagic,
                  | rC+}.
 36462 | D:14     | 36462 ||| SWAPPING to +6 heavy broad axe.
 36463 | D:14     | 36463 ||| SWAPPING to +9 broad axe "Kosum" {antimagic,
                  | rC+}.
 36464 | D:14     | 36464 ||| SWAPPING to +6 heavy broad axe.
 36465 | D:14     | 36465 ||| SWAPPING to +9 broad axe "Kosum" {antimagic,
                  | rC+}.
 36466 | D:14     | 36466 ||| SWAPPING to +6 heavy broad axe.
 36467 | D:14     | 36467 ||| SWAPPING to +9 broad axe "Kosum" {antimagic,
                  | rC+}.
 36468 | D:14     | 36468 ||| SWAPPING to +6 heavy broad axe.
 36469 | D:14     | 36469 ||| SWAPPING to +9 broad axe "Kosum" {antimagic,
                  | rC+}.
 36470 | D:14     | 36470 ||| SWAPPING to +6 heavy broad axe.
 36471 | D:14     | 36471 ||| SWAPPING to +9 broad axe "Kosum" {antimagic,
                  | rC+}.
 36472 | D:14     | 36472 ||| SWAPPING to +6 heavy broad axe.
 36473 | D:14     | 36473 ||| SWAPPING to +9 broad axe "Kosum" {antimagic,
                  | rC+}.
 36474 | D:14     | 36474 ||| SWAPPING to +6 heavy broad axe.
 36475 | D:14     | 36475 ||| SWAPPING to +9 broad axe "Kosum" {antimagic,
                  | rC+}.
 36476 | D:14     | 36476 ||| SWAPPING to +6 heavy broad axe.
 36477 | D:14     | 36477 ||| SWAPPING to +9 broad axe "Kosum" {antimagic,
                  | rC+}.
 36478 | D:14     | 36478 ||| SWAPPING to +6 heavy broad axe.
 36479 | D:14     | 36479 ||| SWAPPING to +9 broad axe "Kosum" {antimagic,
                  | rC+}.
 36480 | D:14     | 36480 ||| SWAPPING to +6 heavy broad axe.
 36481 | D:14     | 36481 ||| SWAPPING to +9 broad axe "Kosum" {antimagic,
                  | rC+}.
 36482 | D:14     | 36482 ||| SWAPPING to +6 heavy broad axe.
 36483 | D:14     | 36483 ||| SWAPPING to +9 broad axe "Kosum" {antimagic,
                  | rC+}.
 36484 | D:14     | 36484 ||| SWAPPING to +6 heavy broad axe.
 36485 | D:14     | 36485 ||| SWAPPING to +9 broad axe "Kosum" {antimagic,
                  | rC+}.
 36486 | D:14     | 36486 ||| SWAPPING to +6 heavy broad axe.
 36487 | D:14     | 36487 ||| SWAPPING to +9 broad axe "Kosum" {antimagic,
                  | rC+}.
 36488 | D:14     | 36488 ||| SWAPPING to +6 heavy broad axe.
 36489 | D:14     | 36489 ||| SWAPPING to +9 broad axe "Kosum" {antimagic,
                  | rC+}.
 36490 | D:14     | 36490 ||| SWAPPING to +6 heavy broad axe.
 36491 | D:14     | 36491 ||| SWAPPING to +9 broad axe "Kosum" {antimagic,
                  | rC+}.
 36492 | D:14     | 36492 ||| SWAPPING to +6 heavy broad axe.
 36493 | D:14     | 36493 ||| SWAPPING to +9 broad axe "Kosum" {antimagic,
                  | rC+}.
 36494 | D:14     | 36494 ||| SWAPPING to +6 heavy broad axe.
 36495 | D:14     | 36495 ||| SWAPPING to +9 broad axe "Kosum" {antimagic,
                  | rC+}.
 36496 | D:14     | 36496 ||| SWAPPING to +6 heavy broad axe.
 36497 | D:14     | 36497 ||| SWAPPING to +9 broad axe "Kosum" {antimagic,
                  | rC+}.
 36498 | D:14     | 36498 ||| SWAPPING to +6 heavy broad axe.
 36499 | D:14     | 36499 ||| SWAPPING to +9 broad axe "Kosum" {antimagic,
                  | rC+}.
 36500 | D:14     | 36500 ||| SWAPPING to +6 heavy broad axe.
 36501 | D:14     | 36501 ||| SWAPPING to +9 broad axe "Kosum" {antimagic,
                  | rC+}.
 36502 | D:14     | 36502 ||| SWAPPING to +6 heavy broad axe.
 36503 | D:14     | 36503 ||| SWAPPING to +9 broad axe "Kosum" {antimagic,
                  | rC+}.
 36504 | D:14     | 36504 ||| SWAPPING to +6 heavy broad axe.
 36505 | D:14     | 36505 ||| SWAPPING to +9 broad axe "Kosum" {antimagic,
                  | rC+}.
 36506 | D:14     | 36506 ||| SWAPPING to +6 heavy broad axe.
 36507 | D:14     | 36507 ||| SWAPPING to +9 broad axe "Kosum" {antimagic,
                  | rC+}.
 36508 | D:14     | 36508 ||| SWAPPING to +6 heavy broad axe.
 36509 | D:14     | 36509 ||| SWAPPING to +9 broad axe "Kosum" {antimagic,
                  | rC+}.
 36510 | D:14     | 36510 ||| SWAPPING to +6 heavy broad axe.
 36511 | D:14     | 36511 ||| SWAPPING to +9 broad axe "Kosum" {antimagic,
                  | rC+}.
 36512 | D:14     | 36512 ||| SWAPPING to +6 heavy broad axe.
 36513 | D:14     | 36513 ||| SWAPPING to +9 broad axe "Kosum" {antimagic,
                  | rC+}.
 36514 | D:14     | 36514 ||| SWAPPING to +6 heavy broad axe.
 36515 | D:14     | 36515 ||| SWAPPING to +9 broad axe "Kosum" {antimagic,
                  | rC+}.
 36516 | D:14     | 36516 ||| SWAPPING to +6 heavy broad axe.
 36517 | D:14     | 36517 ||| SWAPPING to +9 broad axe "Kosum" {antimagic,
                  | rC+}.
 36518 | D:14     | 36518 ||| SWAPPING to +6 heavy broad axe.
 36519 | D:14     | 36519 ||| SWAPPING to +9 broad axe "Kosum" {antimagic,
                  | rC+}.
 36520 | D:14     | 36520 ||| SWAPPING to +6 heavy broad axe.
 36521 | D:14     | 36521 ||| SWAPPING to +9 broad axe "Kosum" {antimagic,
                  | rC+}.
 36522 | D:14     | 36522 ||| SWAPPING to +6 heavy broad axe.
 36523 | D:14     | 36523 ||| SWAPPING to +9 broad axe "Kosum" {antimagic,
                  | rC+}.
 36524 | D:14     | 36524 ||| SWAPPING to +6 heavy broad axe.
 36525 | D:14     | 36525 ||| SWAPPING to +9 broad axe "Kosum" {antimagic,
                  | rC+}.
 36526 | D:14     | 36526 ||| SWAPPING to +6 heavy broad axe.
 36527 | D:14     | 36527 ||| SWAPPING to +9 broad axe "Kosum" {antimagic,
                  | rC+}.
 36528 | D:14     | 36528 ||| SWAPPING to +6 heavy broad axe.
 36529 | D:14     | 36529 ||| SWAPPING to +9 broad axe "Kosum" {antimagic,
                  | rC+}.
 36530 | D:14     | 36530 ||| SWAPPING to +6 heavy broad axe.
 36531 | D:14     | 36531 ||| SWAPPING to +9 broad axe "Kosum" {antimagic,
                  | rC+}.
 36532 | D:14     | 36532 ||| SWAPPING to +6 heavy broad axe.
 36533 | D:14     | 36533 ||| SWAPPING to +9 broad axe "Kosum" {antimagic,
                  | rC+}.
 36534 | D:14     | 36534 ||| SWAPPING to +6 heavy broad axe.
 36535 | D:14     | 36535 ||| SWAPPING to +9 broad axe "Kosum" {antimagic,
                  | rC+}.
 36536 | D:14     | 36536 ||| SWAPPING to +6 heavy broad axe.
 36537 | D:14     | 36537 ||| SWAPPING to +9 broad axe "Kosum" {antimagic,
                  | rC+}.
 36538 | D:14     | 36538 ||| SWAPPING to +6 heavy broad axe.
 36539 | D:14     | 36539 ||| SWAPPING to +9 broad axe "Kosum" {antimagic,
                  | rC+}.
 36540 | D:14     | 36540 ||| SWAPPING to +6 heavy broad axe.
 36541 | D:14     | 36541 ||| SWAPPING to +9 broad axe "Kosum" {antimagic,
                  | rC+}.
 36542 | D:14     | 36542 ||| SWAPPING to +6 heavy broad axe.
 36543 | D:14     | 36543 ||| SWAPPING to +9 broad axe "Kosum" {antimagic,
                  | rC+}.
 36544 | D:14     | 36544 ||| SWAPPING to +6 heavy broad axe.
 36545 | D:14     | 36545 ||| SWAPPING to +9 broad axe "Kosum" {antimagic,
                  | rC+}.
 36546 | D:14     | 36546 ||| SWAPPING to +6 heavy broad axe.
 36547 | D:14     | 36547 ||| SWAPPING to +9 broad axe "Kosum" {antimagic,
                  | rC+}.
 36548 | D:14     | 36548 ||| SWAPPING to +6 heavy broad axe.
 36549 | D:14     | 36549 ||| SWAPPING to +9 broad axe "Kosum" {antimagic,
                  | rC+}.
 36550 | D:14     | 36550 ||| SWAPPING to +6 heavy broad axe.
 36551 | D:14     | 36551 ||| SWAPPING to +9 broad axe "Kosum" {antimagic,
                  | rC+}.
 36552 | D:14     | 36552 ||| SWAPPING to +6 heavy broad axe.
 36553 | D:14     | 36553 ||| SWAPPING to +9 broad axe "Kosum" {antimagic,
                  | rC+}.
 36554 | D:14     | 36554 ||| SWAPPING to +6 heavy broad axe.
 36555 | D:14     | 36555 ||| SWAPPING to +9 broad axe "Kosum" {antimagic,
                  | rC+}.
 36556 | D:14     | 36556 ||| SWAPPING to +6 heavy broad axe.
 36557 | D:14     | 36557 ||| SWAPPING to +9 broad axe "Kosum" {antimagic,
                  | rC+}.
 36558 | D:14     | 36558 ||| SWAPPING to +6 heavy broad axe.
 36559 | D:14     | 36559 ||| SWAPPING to +9 broad axe "Kosum" {antimagic,
                  | rC+}.
 36560 | D:14     | 36560 ||| SWAPPING to +6 heavy broad axe.
 36561 | D:14     | 36561 ||| SWAPPING to +9 broad axe "Kosum" {antimagic,
                  | rC+}.
 36562 | D:14     | 36562 ||| SWAPPING to +6 heavy broad axe.
 36563 | D:14     | 36563 ||| SWAPPING to +9 broad axe "Kosum" {antimagic,
                  | rC+}.
 36564 | D:14     | 36564 ||| SWAPPING to +6 heavy broad axe.
 36565 | D:14     | 36565 ||| SWAPPING to +9 broad axe "Kosum" {antimagic,
                  | rC+}.
 36566 | D:14     | 36566 ||| SWAPPING to +6 heavy broad axe.
 36567 | D:14     | 36567 ||| SWAPPING to +9 broad axe "Kosum" {antimagic,
                  | rC+}.
 36568 | D:14     | 36568 ||| SWAPPING to +6 heavy broad axe.
 36569 | D:14     | 36569 ||| SWAPPING to +9 broad axe "Kosum" {antimagic,
                  | rC+}.
 36570 | D:14     | 36570 ||| SWAPPING to +6 heavy broad axe.
 36571 | D:14     | 36571 ||| SWAPPING to +9 broad axe "Kosum" {antimagic,
                  | rC+}.
 36572 | D:14     | 36572 ||| SWAPPING to +6 heavy broad axe.
 36573 | D:14     | 36573 ||| SWAPPING to +9 broad axe "Kosum" {antimagic,
                  | rC+}.
 36574 | D:14     | 36574 ||| SWAPPING to +6 heavy broad axe.
 36575 | D:14     | 36575 ||| SWAPPING to +9 broad axe "Kosum" {antimagic,
                  | rC+}.
 36576 | D:14     | 36576 ||| SWAPPING to +6 heavy broad axe.
 36577 | D:14     | 36577 ||| SWAPPING to +9 broad axe "Kosum" {antimagic,
                  | rC+}.
 36578 | D:14     | 36578 ||| SWAPPING to +6 heavy broad axe.
 36579 | D:14     | 36579 ||| SWAPPING to +9 broad axe "Kosum" {antimagic,
                  | rC+}.
 36580 | D:14     | 36580 ||| SWAPPING to +6 heavy broad axe.
 36581 | D:14     | 36581 ||| SWAPPING to +9 broad axe "Kosum" {antimagic,
                  | rC+}.
 36582 | D:14     | 36582 ||| SWAPPING to +6 heavy broad axe.
 36583 | D:14     | 36583 ||| SWAPPING to +9 broad axe "Kosum" {antimagic,
                  | rC+}.
 36584 | D:14     | 36584 ||| SWAPPING to +6 heavy broad axe.
 36585 | D:14     | 36585 ||| SWAPPING to +9 broad axe "Kosum" {antimagic,
                  | rC+}.
 36586 | D:14     | 36586 ||| SWAPPING to +6 heavy broad axe.
 36587 | D:14     | 36587 ||| SWAPPING to +9 broad axe "Kosum" {antimagic,
                  | rC+}.
 36588 | D:14     | 36588 ||| SWAPPING to +6 heavy broad axe.
 36589 | D:14     | 36589 ||| SWAPPING to +9 broad axe "Kosum" {antimagic,
                  | rC+}.
 36590 | D:14     | 36590 ||| SWAPPING to +6 heavy broad axe.
 36591 | D:14     | 36591 ||| SWAPPING to +9 broad axe "Kosum" {antimagic,
                  | rC+}.
 36592 | D:14     | 36592 ||| SWAPPING to +6 heavy broad axe.
 36593 | D:14     | 36593 ||| SWAPPING to +9 broad axe "Kosum" {antimagic,
                  | rC+}.
 36594 | D:14     | 36594 ||| SWAPPING to +6 heavy broad axe.
 36595 | D:14     | 36595 ||| SWAPPING to +9 broad axe "Kosum" {antimagic,
                  | rC+}.
 36596 | D:14     | 36596 ||| SWAPPING to +6 heavy broad axe.
 36597 | D:14     | 36597 ||| SWAPPING to +9 broad axe "Kosum" {antimagic,
                  | rC+}.
 36598 | D:14     | 36598 ||| SWAPPING to +6 heavy broad axe.
 36599 | D:14     | 36599 ||| SWAPPING to +9 broad axe "Kosum" {antimagic,
                  | rC+}.
 36600 | D:14     | 36600 ||| SWAPPING to +6 heavy broad axe.
 36601 | D:14     | 36601 ||| SWAPPING to +9 broad axe "Kosum" {antimagic,
                  | rC+}.
 36602 | D:14     | 36602 ||| SWAPPING to +6 heavy broad axe.
 36603 | D:14     | 36603 ||| SWAPPING to +9 broad axe "Kosum" {antimagic,
                  | rC+}.
 36604 | D:14     | 36604 ||| SWAPPING to +6 heavy broad axe.
 36605 | D:14     | 36605 ||| SWAPPING to +9 broad axe "Kosum" {antimagic,
                  | rC+}.
 36606 | D:14     | 36606 ||| SWAPPING to +6 heavy broad axe.
 36607 | D:14     | 36607 ||| SWAPPING to +9 broad axe "Kosum" {antimagic,
                  | rC+}.
 36608 | D:14     | 36608 ||| SWAPPING to +6 heavy broad axe.
 36609 | D:14     | 36609 ||| SWAPPING to +9 broad axe "Kosum" {antimagic,
                  | rC+}.
 36610 | D:14     | 36610 ||| SWAPPING to +6 heavy broad axe.
 36611 | D:14     | 36611 ||| SWAPPING to +9 broad axe "Kosum" {antimagic,
                  | rC+}.
 36612 | D:14     | 36612 ||| SWAPPING to +6 heavy broad axe.
 36613 | D:14     | 36613 ||| SWAPPING to +9 broad axe "Kosum" {antimagic,
                  | rC+}.
 36614 | D:14     | 36614 ||| SWAPPING to +6 heavy broad axe.
 36615 | D:14     | 36615 ||| SWAPPING to +9 broad axe "Kosum" {antimagic,
                  | rC+}.
 36616 | D:14     | 36616 ||| SWAPPING to +6 heavy broad axe.
 36617 | D:14     | 36617 ||| SWAPPING to +9 broad axe "Kosum" {antimagic,
                  | rC+}.
 36618 | D:14     | 36618 ||| SWAPPING to +6 heavy broad axe.
 36619 | D:14     | 36619 ||| SWAPPING to +9 broad axe "Kosum" {antimagic,
                  | rC+}.
 36620 | D:14     | 36620 ||| SWAPPING to +6 heavy broad axe.
 36621 | D:14     | 36621 ||| SWAPPING to +9 broad axe "Kosum" {antimagic,
                  | rC+}.
 36622 | D:14     | 36622 ||| SWAPPING to +6 heavy broad axe.
 36623 | D:14     | 36623 ||| SWAPPING to +9 broad axe "Kosum" {antimagic,
                  | rC+}.
 36624 | D:14     | 36624 ||| SWAPPING to +6 heavy broad axe.
 36625 | D:14     | 36625 ||| SWAPPING to +9 broad axe "Kosum" {antimagic,
                  | rC+}.
 36626 | D:14     | 36626 ||| SWAPPING to +6 heavy broad axe.
 36627 | D:14     | 36627 ||| SWAPPING to +9 broad axe "Kosum" {antimagic,
                  | rC+}.
 36628 | D:14     | 36628 ||| SWAPPING to +6 heavy broad axe.
 36629 | D:14     | 36629 ||| SWAPPING to +9 broad axe "Kosum" {antimagic,
                  | rC+}.
 36630 | D:14     | 36630 ||| SWAPPING to +6 heavy broad axe.
 36631 | D:14     | 36631 ||| SWAPPING to +9 broad axe "Kosum" {antimagic,
                  | rC+}.
 36632 | D:14     | 36632 ||| SWAPPING to +6 heavy broad axe.
 36633 | D:14     | 36633 ||| SWAPPING to +9 broad axe "Kosum" {antimagic,
                  | rC+}.
 36634 | D:14     | 36634 ||| SWAPPING to +6 heavy broad axe.
 36635 | D:14     | 36635 ||| SWAPPING to +9 broad axe "Kosum" {antimagic,
                  | rC+}.
 36636 | D:14     | 36636 ||| SWAPPING to +6 heavy broad axe.
 36637 | D:14     | 36637 ||| SWAPPING to +9 broad axe "Kosum" {antimagic,
                  | rC+}.
 36638 | D:14     | 36638 ||| SWAPPING to +6 heavy broad axe.
 36639 | D:14     | 36639 ||| SWAPPING to +9 broad axe "Kosum" {antimagic,
                  | rC+}.
 36640 | D:14     | 36640 ||| SWAPPING to +6 heavy broad axe.
 36641 | D:14     | 36641 ||| SWAPPING to +9 broad axe "Kosum" {antimagic,
                  | rC+}.
 36642 | D:14     | 36642 ||| SWAPPING to +6 heavy broad axe.
 36643 | D:14     | 36643 ||| SWAPPING to +9 broad axe "Kosum" {antimagic,
                  | rC+}.
 36644 | D:14     | 36644 ||| SWAPPING to +6 heavy broad axe.
 36645 | D:14     | 36645 ||| SWAPPING to +9 broad axe "Kosum" {antimagic,
                  | rC+}.
 36646 | D:14     | 36646 ||| SWAPPING to +6 heavy broad axe.
 36647 | D:14     | 36647 ||| SWAPPING to +9 broad axe "Kosum" {antimagic,
                  | rC+}.
 36648 | D:14     | 36648 ||| SWAPPING to +6 heavy broad axe.
 36649 | D:14     | 36649 ||| SWAPPING to +9 broad axe "Kosum" {antimagic,
                  | rC+}.
 36650 | D:14     | 36650 ||| SWAPPING to +6 heavy broad axe.
 36651 | D:14     | 36651 ||| SWAPPING to +9 broad axe "Kosum" {antimagic,
                  | rC+}.
 36652 | D:14     | 36652 ||| SWAPPING to +6 heavy broad axe.
 36653 | D:14     | 36653 ||| SWAPPING to +9 broad axe "Kosum" {antimagic,
                  | rC+}.
 36654 | D:14     | 36654 ||| SWAPPING to +6 heavy broad axe.
 36655 | D:14     | 36655 ||| SWAPPING to +9 broad axe "Kosum" {antimagic,
                  | rC+}.
 36656 | D:14     | 36656 ||| SWAPPING to +6 heavy broad axe.
 36657 | D:14     | 36657 ||| SWAPPING to +9 broad axe "Kosum" {antimagic,
                  | rC+}.
 36658 | D:14     | 36658 ||| SWAPPING to +6 heavy broad axe.
 36659 | D:14     | 36659 ||| SWAPPING to +9 broad axe "Kosum" {antimagic,
                  | rC+}.
 36660 | D:14     | 36660 ||| SWAPPING to +6 heavy broad axe.
 36661 | D:14     | 36661 ||| SWAPPING to +9 broad axe "Kosum" {antimagic,
                  | rC+}.
 36662 | D:14     | 36662 ||| SWAPPING to +6 heavy broad axe.
 36663 | D:14     | 36663 ||| SWAPPING to +9 broad axe "Kosum" {antimagic,
                  | rC+}.
 36664 | D:14     | 36664 ||| SWAPPING to +6 heavy broad axe.
 36665 | D:14     | 36665 ||| SWAPPING to +9 broad axe "Kosum" {antimagic,
                  | rC+}.
 36666 | D:14     | 36666 ||| SWAPPING to +6 heavy broad axe.
 36667 | D:14     | 36667 ||| SWAPPING to +9 broad axe "Kosum" {antimagic,
                  | rC+}.
 36668 | D:14     | 36668 ||| SWAPPING to +6 heavy broad axe.
 36669 | D:14     | 36669 ||| SWAPPING to +9 broad axe "Kosum" {antimagic,
                  | rC+}.
 36670 | D:14     | 36670 ||| SWAPPING to +6 heavy broad axe.
 36671 | D:14     | 36671 ||| SWAPPING to +9 broad axe "Kosum" {antimagic,
                  | rC+}.
 36672 | D:14     | 36672 ||| SWAPPING to +6 heavy broad axe.
 36673 | D:14     | 36673 ||| SWAPPING to +9 broad axe "Kosum" {antimagic,
                  | rC+}.
 36674 | D:14     | 36674 ||| SWAPPING to +6 heavy broad axe.
 36675 | D:14     | 36675 ||| SWAPPING to +9 broad axe "Kosum" {antimagic,
                  | rC+}.
 36676 | D:14     | 36676 ||| SWAPPING to +6 heavy broad axe.
 36677 | D:14     | 36677 ||| SWAPPING to +9 broad axe "Kosum" {antimagic,
                  | rC+}.
 36678 | D:14     | 36678 ||| SWAPPING to +6 heavy broad axe.
 36679 | D:14     | 36679 ||| SWAPPING to +9 broad axe "Kosum" {antimagic,
                  | rC+}.
 36680 | D:14     | 36680 ||| SWAPPING to +6 heavy broad axe.
 36681 | D:14     | 36681 ||| SWAPPING to +9 broad axe "Kosum" {antimagic,
                  | rC+}.
 36682 | D:14     | 36682 ||| SWAPPING to +6 heavy broad axe.
 36683 | D:14     | 36683 ||| SWAPPING to +9 broad axe "Kosum" {antimagic,
                  | rC+}.
 36684 | D:14     | 36684 ||| SWAPPING to +6 heavy broad axe.
 36685 | D:14     | 36685 ||| SWAPPING to +9 broad axe "Kosum" {antimagic,
                  | rC+}.
 36686 | D:14     | 36686 ||| SWAPPING to +6 heavy broad axe.
 36687 | D:14     | 36687 ||| SWAPPING to +9 broad axe "Kosum" {antimagic,
                  | rC+}.
 36688 | D:14     | 36688 ||| SWAPPING to +6 heavy broad axe.
 36689 | D:14     | 36689 ||| SWAPPING to +9 broad axe "Kosum" {antimagic,
                  | rC+}.
 36690 | D:14     | 36690 ||| SWAPPING to +6 heavy broad axe.
 36691 | D:14     | 36691 ||| SWAPPING to +9 broad axe "Kosum" {antimagic,
                  | rC+}.
 36692 | D:14     | 36692 ||| SWAPPING to +6 heavy broad axe.
 36693 | D:14     | 36693 ||| SWAPPING to +9 broad axe "Kosum" {antimagic,
                  | rC+}.
 36694 | D:14     | 36694 ||| SWAPPING to +6 heavy broad axe.
 36695 | D:14     | 36695 ||| SWAPPING to +9 broad axe "Kosum" {antimagic,
                  | rC+}.
 36696 | D:14     | 36696 ||| SWAPPING to +6 heavy broad axe.
 36697 | D:14     | 36697 ||| SWAPPING to +9 broad axe "Kosum" {antimagic,
                  | rC+}.
 36698 | D:14     | 36698 ||| SWAPPING to +6 heavy broad axe.
 36699 | D:14     | 36699 ||| SWAPPING to +9 broad axe "Kosum" {antimagic,
                  | rC+}.
 36700 | D:14     | 36700 ||| SWAPPING to +6 heavy broad axe.
 36701 | D:14     | 36701 ||| SWAPPING to +9 broad axe "Kosum" {antimagic,
                  | rC+}.
 36702 | D:14     | 36702 ||| SWAPPING to +6 heavy broad axe.
 36703 | D:14     | 36703 ||| SWAPPING to +9 broad axe "Kosum" {antimagic,
                  | rC+}.
 36704 | D:14     | 36704 ||| SWAPPING to +6 heavy broad axe.
 36705 | D:14     | 36705 ||| SWAPPING to +9 broad axe "Kosum" {antimagic,
                  | rC+}.
 36706 | D:14     | 36706 ||| SWAPPING to +6 heavy broad axe.
 36707 | D:14     | 36707 ||| SWAPPING to +9 broad axe "Kosum" {antimagic,
                  | rC+}.
 36708 | D:14     | 36708 ||| SWAPPING to +6 heavy broad axe.
 36709 | D:14     | 36709 ||| SWAPPING to +9 broad axe "Kosum" {antimagic,
                  | rC+}.
 36710 | D:14     | 36710 ||| SWAPPING to +6 heavy broad axe.
 36711 | D:14     | 36711 ||| SWAPPING to +9 broad axe "Kosum" {antimagic,
                  | rC+}.
 36712 | D:14     | 36712 ||| SWAPPING to +6 heavy broad axe.
 36713 | D:14     | 36713 ||| SWAPPING to +9 broad axe "Kosum" {antimagic,
                  | rC+}.
 36714 | D:14     | 36714 ||| SWAPPING to +6 heavy broad axe.
 36715 | D:14     | 36715 ||| SWAPPING to +9 broad axe "Kosum" {antimagic,
                  | rC+}.
 36716 | D:14     | 36716 ||| SWAPPING to +6 heavy broad axe.
 36717 | D:14     | 36717 ||| SWAPPING to +9 broad axe "Kosum" {antimagic,
                  | rC+}.
 36718 | D:14     | 36718 ||| SWAPPING to +6 heavy broad axe.
 36719 | D:14     | 36719 ||| SWAPPING to +9 broad axe "Kosum" {antimagic,
                  | rC+}.
 36720 | D:14     | 36720 ||| SWAPPING to +6 heavy broad axe.
 36721 | D:14     | 36721 ||| SWAPPING to +9 broad axe "Kosum" {antimagic,
                  | rC+}.
 36722 | D:14     | 36722 ||| SWAPPING to +6 heavy broad axe.
 36723 | D:14     | 36723 ||| SWAPPING to +9 broad axe "Kosum" {antimagic,
                  | rC+}.
 36724 | D:14     | 36724 ||| SWAPPING to +6 heavy broad axe.
 36725 | D:14     | 36725 ||| SWAPPING to +9 broad axe "Kosum" {antimagic,
                  | rC+}.
 36726 | D:14     | 36726 ||| SWAPPING to +6 heavy broad axe.
 36727 | D:14     | 36727 ||| SWAPPING to +9 broad axe "Kosum" {antimagic,
                  | rC+}.
 36728 | D:14     | 36728 ||| SWAPPING to +6 heavy broad axe.
 36729 | D:14     | 36729 ||| SWAPPING to +9 broad axe "Kosum" {antimagic,
                  | rC+}.
 36730 | D:14     | 36730 ||| SWAPPING to +6 heavy broad axe.
 36731 | D:14     | 36731 ||| SWAPPING to +9 broad axe "Kosum" {antimagic,
                  | rC+}.
 36732 | D:14     | 36732 ||| SWAPPING to +6 heavy broad axe.
 36733 | D:14     | 36733 ||| SWAPPING to +9 broad axe "Kosum" {antimagic,
                  | rC+}.
 36734 | D:14     | 36734 ||| SWAPPING to +6 heavy broad axe.
 36735 | D:14     | 36735 ||| SWAPPING to +9 broad axe "Kosum" {antimagic,
                  | rC+}.
 36736 | D:14     | 36736 ||| SWAPPING to +6 heavy broad axe.
 36737 | D:14     | 36737 ||| SWAPPING to +9 broad axe "Kosum" {antimagic,
                  | rC+}.
 36738 | D:14     | 36738 ||| SWAPPING to +6 heavy broad axe.
 36739 | D:14     | 36739 ||| SWAPPING to +9 broad axe "Kosum" {antimagic,
                  | rC+}.
 36740 | D:14     | 36740 ||| SWAPPING to +6 heavy broad axe.
 36741 | D:14     | 36741 ||| SWAPPING to +9 broad axe "Kosum" {antimagic,
                  | rC+}.
 36742 | D:14     | 36742 ||| SWAPPING to +6 heavy broad axe.
 36743 | D:14     | 36743 ||| SWAPPING to +9 broad axe "Kosum" {antimagic,
                  | rC+}.
 36744 | D:14     | 36744 ||| SWAPPING to +6 heavy broad axe.
 36745 | D:14     | 36745 ||| SWAPPING to +9 broad axe "Kosum" {antimagic,
                  | rC+}.
 36746 | D:14     | 36746 ||| SWAPPING to +6 heavy broad axe.
 36747 | D:14     | 36747 ||| SWAPPING to +9 broad axe "Kosum" {antimagic,
                  | rC+}.
 36748 | D:14     | 36748 ||| SWAPPING to +6 heavy broad axe.
 36749 | D:14     | 36749 ||| SWAPPING to +9 broad axe "Kosum" {antimagic,
                  | rC+}.
 36750 | D:14     | 36750 ||| SWAPPING to +6 heavy broad axe.
 36751 | D:14     | 36751 ||| SWAPPING to +9 broad axe "Kosum" {antimagic,
                  | rC+}.
 36752 | D:14     | 36752 ||| SWAPPING to +6 heavy broad axe.
 36753 | D:14     | 36753 ||| SWAPPING to +9 broad axe "Kosum" {antimagic,
                  | rC+}.
 36754 | D:14     | 36754 ||| SWAPPING to +6 heavy broad axe.
 36755 | D:14     | 36755 ||| SWAPPING to +9 broad axe "Kosum" {antimagic,
                  | rC+}.
 36756 | D:14     | 36756 ||| SWAPPING to +6 heavy broad axe.
 36757 | D:14     | 36757 ||| SWAPPING to +9 broad axe "Kosum" {antimagic,
                  | rC+}.
 36758 | D:14     | 36758 ||| SWAPPING to +6 heavy broad axe.
 36759 | D:14     | 36759 ||| SWAPPING to +9 broad axe "Kosum" {antimagic,
                  | rC+}.
 36760 | D:14     | 36760 ||| SWAPPING to +6 heavy broad axe.
 36761 | D:14     | 36761 ||| SWAPPING to +9 broad axe "Kosum" {antimagic,
                  | rC+}.
 36762 | D:14     | 36762 ||| SWAPPING to +6 heavy broad axe.
 36763 | D:14     | 36763 ||| SWAPPING to +9 broad axe "Kosum" {antimagic,
                  | rC+}.
 36764 | D:14     | 36764 ||| SWAPPING to +6 heavy broad axe.
 36765 | D:14     | 36765 ||| SWAPPING to +9 broad axe "Kosum" {antimagic,
                  | rC+}.
 36766 | D:14     | 36766 ||| SWAPPING to +6 heavy broad axe.
 36767 | D:14     | 36767 ||| SWAPPING to +9 broad axe "Kosum" {antimagic,
                  | rC+}.
 36768 | D:14     | 36768 ||| SWAPPING to +6 heavy broad axe.
 36769 | D:14     | 36769 ||| SWAPPING to +9 broad axe "Kosum" {antimagic,
                  | rC+}.
 36770 | D:14     | 36770 ||| SWAPPING to +6 heavy broad axe.
 36771 | D:14     | 36771 ||| SWAPPING to +9 broad axe "Kosum" {antimagic,
                  | rC+}.
 36772 | D:14     | 36772 ||| SWAPPING to +6 heavy broad axe.
 36773 | D:14     | 36773 ||| SWAPPING to +9 broad axe "Kosum" {antimagic,
                  | rC+}.
 36774 | D:14     | 36774 ||| SWAPPING to +6 heavy broad axe.
 36775 | D:14     | 36775 ||| SWAPPING to +9 broad axe "Kosum" {antimagic,
                  | rC+}.
 36776 | D:14     | 36776 ||| SWAPPING to +6 heavy broad axe.
 36777 | D:14     | 36777 ||| SWAPPING to +9 broad axe "Kosum" {antimagic,
                  | rC+}.
 36778 | D:14     | 36778 ||| SWAPPING to +6 heavy broad axe.
 36779 | D:14     | 36779 ||| SWAPPING to +9 broad axe "Kosum" {antimagic,
                  | rC+}.
 36780 | D:14     | 36780 ||| SWAPPING to +6 heavy broad axe.
 36781 | D:14     | 36781 ||| SWAPPING to +9 broad axe "Kosum" {antimagic,
                  | rC+}.
 36782 | D:14     | 36782 ||| SWAPPING to +6 heavy broad axe.
 36783 | D:14     | 36783 ||| SWAPPING to +9 broad axe "Kosum" {antimagic,
                  | rC+}.
 36784 | D:14     | 36784 ||| SWAPPING to +6 heavy broad axe.
 36785 | D:14     | 36785 ||| SWAPPING to +9 broad axe "Kosum" {antimagic,
                  | rC+}.
 36786 | D:14     | 36786 ||| SWAPPING to +6 heavy broad axe.
 36787 | D:14     | 36787 ||| SWAPPING to +9 broad axe "Kosum" {antimagic,
                  | rC+}.
 36788 | D:14     | 36788 ||| SWAPPING to +6 heavy broad axe.
 36789 | D:14     | 36789 ||| SWAPPING to +9 broad axe "Kosum" {antimagic,
                  | rC+}.
 36790 | D:14     | 36790 ||| SWAPPING to +6 heavy broad axe.
 36791 | D:14     | 36791 ||| SWAPPING to +9 broad axe "Kosum" {antimagic,
                  | rC+}.
 36792 | D:14     | 36792 ||| SWAPPING to +6 heavy broad axe.
 36793 | D:14     | 36793 ||| SWAPPING to +9 broad axe "Kosum" {antimagic,
                  | rC+}.
 36794 | D:14     | 36794 ||| SWAPPING to +6 heavy broad axe.
 36795 | D:14     | 36795 ||| SWAPPING to +9 broad axe "Kosum" {antimagic,
                  | rC+}.
 36796 | D:14     | 36796 ||| SWAPPING to +6 heavy broad axe.
 36797 | D:14     | 36797 ||| SWAPPING to +9 broad axe "Kosum" {antimagic,
                  | rC+}.
 36798 | D:14     | 36798 ||| SWAPPING to +6 heavy broad axe.
 36799 | D:14     | 36799 ||| SWAPPING to +9 broad axe "Kosum" {antimagic,
                  | rC+}.
 36800 | D:14     | 36800 ||| SWAPPING to +6 heavy broad axe.
 36801 | D:14     | 36801 ||| SWAPPING to +9 broad axe "Kosum" {antimagic,
                  | rC+}.
 36802 | D:14     | 36802 ||| SWAPPING to +6 heavy broad axe.
 36803 | D:14     | 36803 ||| SWAPPING to +9 broad axe "Kosum" {antimagic,
                  | rC+}.
 36804 | D:14     | 36804 ||| SWAPPING to +6 heavy broad axe.
 36805 | D:14     | 36805 ||| SWAPPING to +9 broad axe "Kosum" {antimagic,
                  | rC+}.
 36806 | D:14     | 36806 ||| SWAPPING to +6 heavy broad axe.
 36807 | D:14     | 36807 ||| SWAPPING to +9 broad axe "Kosum" {antimagic,
                  | rC+}.
 36808 | D:14     | 36808 ||| SWAPPING to +6 heavy broad axe.
 36809 | D:14     | 36809 ||| SWAPPING to +9 broad axe "Kosum" {antimagic,
                  | rC+}.
 36810 | D:14     | 36810 ||| SWAPPING to +6 heavy broad axe.
 36811 | D:14     | 36811 ||| SWAPPING to +9 broad axe "Kosum" {antimagic,
                  | rC+}.
 36812 | D:14     | 36812 ||| SWAPPING to +6 heavy broad axe.
 36813 | D:14     | 36813 ||| SWAPPING to +9 broad axe "Kosum" {antimagic,
                  | rC+}.
 36814 | D:14     | 36814 ||| SWAPPING to +6 heavy broad axe.
 36815 | D:14     | 36815 ||| SWAPPING to +9 broad axe "Kosum" {antimagic,
                  | rC+}.
 36816 | D:14     | 36816 ||| SWAPPING to +6 heavy broad axe.
 36817 | D:14     | 36817 ||| SWAPPING to +9 broad axe "Kosum" {antimagic,
                  | rC+}.
 36818 | D:14     | 36818 ||| SWAPPING to +6 heavy broad axe.
 36819 | D:14     | 36819 ||| SWAPPING to +9 broad axe "Kosum" {antimagic,
                  | rC+}.
 36820 | D:14     | 36820 ||| SWAPPING to +6 heavy broad axe.
 36821 | D:14     | 36821 ||| SWAPPING to +9 broad axe "Kosum" {antimagic,
                  | rC+}.
 36822 | D:14     | 36822 ||| SWAPPING to +6 heavy broad axe.
 36823 | D:14     | 36823 ||| SWAPPING to +9 broad axe "Kosum" {antimagic,
                  | rC+}.
 36824 | D:14     | 36824 ||| SWAPPING to +6 heavy broad axe.
 36825 | D:14     | 36825 ||| SWAPPING to +9 broad axe "Kosum" {antimagic,
                  | rC+}.
 36826 | D:14     | 36826 ||| SWAPPING to +6 heavy broad axe.
 36827 | D:14     | 36827 ||| SWAPPING to +9 broad axe "Kosum" {antimagic,
                  | rC+}.
 36828 | D:14     | 36828 ||| SWAPPING to +6 heavy broad axe.
 36829 | D:14     | 36829 ||| SWAPPING to +9 broad axe "Kosum" {antimagic,
                  | rC+}.
 36830 | D:14     | 36830 ||| SWAPPING to +6 heavy broad axe.
 36831 | D:14     | 36831 ||| SWAPPING to +9 broad axe "Kosum" {antimagic,
                  | rC+}.
 36832 | D:14     | 36832 ||| SWAPPING to +6 heavy broad axe.
 36833 | D:14     | 36833 ||| SWAPPING to +9 broad axe "Kosum" {antimagic,
                  | rC+}.
 36834 | D:14     | 36834 ||| SWAPPING to +6 heavy broad axe.
 36835 | D:14     | 36835 ||| SWAPPING to +9 broad axe "Kosum" {antimagic,
                  | rC+}.
 36836 | D:14     | 36836 ||| SWAPPING to +6 heavy broad axe.
 36837 | D:14     | 36837 ||| SWAPPING to +9 broad axe "Kosum" {antimagic,
                  | rC+}.
 36838 | D:14     | 36838 ||| SWAPPING to +6 heavy broad axe.
 36839 | D:14     | 36839 ||| SWAPPING to +9 broad axe "Kosum" {antimagic,
                  | rC+}.
 36840 | D:14     | 36840 ||| SWAPPING to +6 heavy broad axe.
 36841 | D:14     | 36841 ||| SWAPPING to +9 broad axe "Kosum" {antimagic,
                  | rC+}.
 36842 | D:14     | 36842 ||| SWAPPING to +6 heavy broad axe.
 36843 | D:14     | 36843 ||| SWAPPING to +9 broad axe "Kosum" {antimagic,
                  | rC+}.
 36844 | D:14     | 36844 ||| SWAPPING to +6 heavy broad axe.
 36845 | D:14     | 36845 ||| SWAPPING to +9 broad axe "Kosum" {antimagic,
                  | rC+}.
 36846 | D:14     | 36846 ||| SWAPPING to +6 heavy broad axe.
 36847 | D:14     | 36847 ||| SWAPPING to +9 broad axe "Kosum" {antimagic,
                  | rC+}.
 36848 | D:14     | 36848 ||| SWAPPING to +6 heavy broad axe.
 36849 | D:14     | 36849 ||| SWAPPING to +9 broad axe "Kosum" {antimagic,
                  | rC+}.
 36850 | D:14     | 36850 ||| SWAPPING to +6 heavy broad axe.
 36851 | D:14     | 36851 ||| SWAPPING to +9 broad axe "Kosum" {antimagic,
                  | rC+}.
 36852 | D:14     | 36852 ||| SWAPPING to +6 heavy broad axe.
 36853 | D:14     | 36853 ||| SWAPPING to +9 broad axe "Kosum" {antimagic,
                  | rC+}.
 36854 | D:14     | 36854 ||| SWAPPING to +6 heavy broad axe.
 36855 | D:14     | 36855 ||| SWAPPING to +9 broad axe "Kosum" {antimagic,
                  | rC+}.
 36856 | D:14     | 36856 ||| SWAPPING to +6 heavy broad axe.
 36857 | D:14     | 36857 ||| SWAPPING to +9 broad axe "Kosum" {antimagic,
                  | rC+}.
 36858 | D:14     | 36858 ||| SWAPPING to +6 heavy broad axe.
 36859 | D:14     | 36859 ||| SWAPPING to +9 broad axe "Kosum" {antimagic,
                  | rC+}.
 36860 | D:14     | 36860 ||| SWAPPING to +6 heavy broad axe.
 36861 | D:14     | 36861 ||| SWAPPING to +9 broad axe "Kosum" {antimagic,
                  | rC+}.
 36862 | D:14     | 36862 ||| SWAPPING to +6 heavy broad axe.
 36863 | D:14     | 36863 ||| SWAPPING to +9 broad axe "Kosum" {antimagic,
                  | rC+}.
 36864 | D:14     | 36864 ||| SWAPPING to +6 heavy broad axe.
 36865 | D:14     | 36865 ||| SWAPPING to +9 broad axe "Kosum" {antimagic,
                  | rC+}.
 36866 | D:14     | 36866 ||| SWAPPING to +6 heavy broad axe.
 36867 | D:14     | 36867 ||| SWAPPING to +9 broad axe "Kosum" {antimagic,
                  | rC+}.
 36868 | D:14     | 36868 ||| SWAPPING to +6 heavy broad axe.
 36869 | D:14     | 36869 ||| SWAPPING to +9 broad axe "Kosum" {antimagic,
                  | rC+}.
 36870 | D:14     | 36870 ||| SWAPPING to +6 heavy broad axe.
 36871 | D:14     | 36871 ||| SWAPPING to +9 broad axe "Kosum" {antimagic,
                  | rC+}.
 36872 | D:14     | 36872 ||| SWAPPING to +6 heavy broad axe.
 36873 | D:14     | 36873 ||| SWAPPING to +9 broad axe "Kosum" {antimagic,
                  | rC+}.
 36874 | D:14     | 36874 ||| SWAPPING to +6 heavy broad axe.
 36875 | D:14     | 36875 ||| SWAPPING to +9 broad axe "Kosum" {antimagic,
                  | rC+}.
 36876 | D:14     | 36876 ||| SWAPPING to +6 heavy broad axe.
 36877 | D:14     | 36877 ||| SWAPPING to +9 broad axe "Kosum" {antimagic,
                  | rC+}.
 36878 | D:14     | 36878 ||| SWAPPING to +6 heavy broad axe.
 36879 | D:14     | 36879 ||| SWAPPING to +9 broad axe "Kosum" {antimagic,
                  | rC+}.
 36880 | D:14     | 36880 ||| SWAPPING to +6 heavy broad axe.
 36881 | D:14     | 36881 ||| SWAPPING to +9 broad axe "Kosum" {antimagic,
                  | rC+}.
 36882 | D:14     | 36882 ||| SWAPPING to +6 heavy broad axe.
 36883 | D:14     | 36883 ||| SWAPPING to +9 broad axe "Kosum" {antimagic,
                  | rC+}.
 36884 | D:14     | 36884 ||| SWAPPING to +6 heavy broad axe.
 36885 | D:14     | 36885 ||| SWAPPING to +9 broad axe "Kosum" {antimagic,
                  | rC+}.
 36886 | D:14     | 36886 ||| SWAPPING to +6 heavy broad axe.
 36887 | D:14     | 36887 ||| SWAPPING to +9 broad axe "Kosum" {antimagic,
                  | rC+}.
 36888 | D:14     | 36888 ||| SWAPPING to +6 heavy broad axe.
 36889 | D:14     | 36889 ||| SWAPPING to +9 broad axe "Kosum" {antimagic,
                  | rC+}.
 36890 | D:14     | 36890 ||| SWAPPING to +6 heavy broad axe.
 36891 | D:14     | 36891 ||| SWAPPING to +9 broad axe "Kosum" {antimagic,
                  | rC+}.
 36892 | D:14     | 36892 ||| SWAPPING to +6 heavy broad axe.
 36893 | D:14     | 36893 ||| SWAPPING to +9 broad axe "Kosum" {antimagic,
                  | rC+}.
 36894 | D:14     | 36894 ||| SWAPPING to +6 heavy broad axe.
 36895 | D:14     | 36895 ||| SWAPPING to +9 broad axe "Kosum" {antimagic,
                  | rC+}.
 36896 | D:14     | 36896 ||| SWAPPING to +6 heavy broad axe.
 36897 | D:14     | 36897 ||| SWAPPING to +9 broad axe "Kosum" {antimagic,
                  | rC+}.
 36898 | D:14     | 36898 ||| SWAPPING to +6 heavy broad axe.
 36899 | D:14     | 36899 ||| SWAPPING to +9 broad axe "Kosum" {antimagic,
                  | rC+}.
 36900 | D:14     | 36900 ||| SWAPPING to +6 heavy broad axe.
 36901 | D:14     | 36901 ||| SWAPPING to +9 broad axe "Kosum" {antimagic,
                  | rC+}.
 36902 | D:14     | 36902 ||| SWAPPING to +6 heavy broad axe.
 36903 | D:14     | 36903 ||| SWAPPING to +9 broad axe "Kosum" {antimagic,
                  | rC+}.
 36904 | D:14     | 36904 ||| SWAPPING to +6 heavy broad axe.
 36905 | D:14     | 36905 ||| SWAPPING to +9 broad axe "Kosum" {antimagic,
                  | rC+}.
 36906 | D:14     | 36906 ||| SWAPPING to +6 heavy broad axe.
 36907 | D:14     | 36907 ||| SWAPPING to +9 broad axe "Kosum" {antimagic,
                  | rC+}.
 36908 | D:14     | 36908 ||| SWAPPING to +6 heavy broad axe.
 36909 | D:14     | 36909 ||| SWAPPING to +9 broad axe "Kosum" {antimagic,
                  | rC+}.
 36910 | D:14     | 36910 ||| SWAPPING to +6 heavy broad axe.
 36911 | D:14     | 36911 ||| SWAPPING to +9 broad axe "Kosum" {antimagic,
                  | rC+}.
 36912 | D:14     | 36912 ||| SWAPPING to +6 heavy broad axe.
 36913 | D:14     | 36913 ||| SWAPPING to +9 broad axe "Kosum" {antimagic,
                  | rC+}.
 36914 | D:14     | 36914 ||| SWAPPING to +6 heavy broad axe.
 36915 | D:14     | 36915 ||| SWAPPING to +9 broad axe "Kosum" {antimagic,
                  | rC+}.
 36916 | D:14     | 36916 ||| SWAPPING to +6 heavy broad axe.
 36917 | D:14     | 36917 ||| SWAPPING to +9 broad axe "Kosum" {antimagic,
                  | rC+}.
 36918 | D:14     | 36918 ||| SWAPPING to +6 heavy broad axe.
 36919 | D:14     | 36919 ||| SWAPPING to +9 broad axe "Kosum" {antimagic,
                  | rC+}.
 36920 | D:14     | 36920 ||| SWAPPING to +6 heavy broad axe.
 36921 | D:14     | 36921 ||| SWAPPING to +9 broad axe "Kosum" {antimagic,
                  | rC+}.
 36922 | D:14     | 36922 ||| SWAPPING to +6 heavy broad axe.
 36923 | D:14     | 36923 ||| SWAPPING to +9 broad axe "Kosum" {antimagic,
                  | rC+}.
 36924 | D:14     | 36924 ||| SWAPPING to +6 heavy broad axe.
 36925 | D:14     | 36925 ||| SWAPPING to +9 broad axe "Kosum" {antimagic,
                  | rC+}.
 36926 | D:14     | 36926 ||| SWAPPING to +6 heavy broad axe.
 36927 | D:14     | 36927 ||| SWAPPING to +9 broad axe "Kosum" {antimagic,
                  | rC+}.
 36928 | D:14     | 36928 ||| SWAPPING to +6 heavy broad axe.
 36929 | D:14     | 36929 ||| SWAPPING to +9 broad axe "Kosum" {antimagic,
                  | rC+}.
 36930 | D:14     | 36930 ||| SWAPPING to +6 heavy broad axe.
 36931 | D:14     | 36931 ||| SWAPPING to +9 broad axe "Kosum" {antimagic,
                  | rC+}.
 36932 | D:14     | 36932 ||| SWAPPING to +6 heavy broad axe.
 36933 | D:14     | 36933 ||| SWAPPING to +9 broad axe "Kosum" {antimagic,
                  | rC+}.
 36934 | D:14     | 36934 ||| SWAPPING to +6 heavy broad axe.
 36935 | D:14     | 36935 ||| SWAPPING to +9 broad axe "Kosum" {antimagic,
                  | rC+}.
 36936 | D:14     | 36936 ||| SWAPPING to +6 heavy broad axe.
 36937 | D:14     | 36937 ||| SWAPPING to +9 broad axe "Kosum" {antimagic,
                  | rC+}.
 36938 | D:14     | 36938 ||| SWAPPING to +6 heavy broad axe.
 36939 | D:14     | 36939 ||| SWAPPING to +9 broad axe "Kosum" {antimagic,
                  | rC+}.
 36940 | D:14     | 36940 ||| SWAPPING to +6 heavy broad axe.
 36941 | D:14     | 36941 ||| SWAPPING to +9 broad axe "Kosum" {antimagic,
                  | rC+}.
 36942 | D:14     | 36942 ||| SWAPPING to +6 heavy broad axe.
 36943 | D:14     | 36943 ||| SWAPPING to +9 broad axe "Kosum" {antimagic,
                  | rC+}.
 36944 | D:14     | 36944 ||| SWAPPING to +6 heavy broad axe.
 36945 | D:14     | 36945 ||| SWAPPING to +9 broad axe "Kosum" {antimagic,
                  | rC+}.
 36946 | D:14     | 36946 ||| SWAPPING to +6 heavy broad axe.
 36947 | D:14     | 36947 ||| SWAPPING to +9 broad axe "Kosum" {antimagic,
                  | rC+}.
 36948 | D:14     | 36948 ||| SWAPPING to +6 heavy broad axe.
 36949 | D:14     | 36949 ||| SWAPPING to +9 broad axe "Kosum" {antimagic,
                  | rC+}.
 36950 | D:14     | 36950 ||| SWAPPING to +6 heavy broad axe.
 36951 | D:14     | 36951 ||| SWAPPING to +9 broad axe "Kosum" {antimagic,
                  | rC+}.
 36952 | D:14     | 36952 ||| SWAPPING to +6 heavy broad axe.
 36953 | D:14     | 36953 ||| SWAPPING to +9 broad axe "Kosum" {antimagic,
                  | rC+}.
 36954 | D:14     | 36954 ||| SWAPPING to +6 heavy broad axe.
 36955 | D:14     | 36955 ||| SWAPPING to +9 broad axe "Kosum" {antimagic,
                  | rC+}.
 36956 | D:14     | 36956 ||| SWAPPING to +6 heavy broad axe.
 36957 | D:14     | 36957 ||| SWAPPING to +9 broad axe "Kosum" {antimagic,
                  | rC+}.
 36958 | D:14     | 36958 ||| SWAPPING to +6 heavy broad axe.
 36959 | D:14     | 36959 ||| SWAPPING to +9 broad axe "Kosum" {antimagic,
                  | rC+}.
 36960 | D:14     | 36960 ||| SWAPPING to +6 heavy broad axe.
 36961 | D:14     | 36961 ||| SWAPPING to +9 broad axe "Kosum" {antimagic,
                  | rC+}.
 36962 | D:14     | 36962 ||| SWAPPING to +6 heavy broad axe.
 36963 | D:14     | 36963 ||| SWAPPING to +9 broad axe "Kosum" {antimagic,
                  | rC+}.
 36964 | D:14     | 36964 ||| SWAPPING to +6 heavy broad axe.
 36965 | D:14     | 36965 ||| SWAPPING to +9 broad axe "Kosum" {antimagic,
                  | rC+}.
 36966 | D:14     | 36966 ||| SWAPPING to +6 heavy broad axe.
 36967 | D:14     | 36967 ||| SWAPPING to +9 broad axe "Kosum" {antimagic,
                  | rC+}.
 36968 | D:14     | 36968 ||| SWAPPING to +6 heavy broad axe.
 36969 | D:14     | 36969 ||| SWAPPING to +9 broad axe "Kosum" {antimagic,
                  | rC+}.
 36970 | D:14     | 36970 ||| SWAPPING to +6 heavy broad axe.
 36971 | D:14     | 36971 ||| SWAPPING to +9 broad axe "Kosum" {antimagic,
                  | rC+}.
 36972 | D:14     | 36972 ||| SWAPPING to +6 heavy broad axe.
 36973 | D:14     | 36973 ||| SWAPPING to +9 broad axe "Kosum" {antimagic,
                  | rC+}.
 36974 | D:14     | 36974 ||| SWAPPING to +6 heavy broad axe.
 36975 | D:14     | 36975 ||| SWAPPING to +9 broad axe "Kosum" {antimagic,
                  | rC+}.
 36976 | D:14     | 36976 ||| SWAPPING to +6 heavy broad axe.
 36977 | D:14     | 36977 ||| SWAPPING to +9 broad axe "Kosum" {antimagic,
                  | rC+}.
 36978 | D:14     | 36978 ||| SWAPPING to +6 heavy broad axe.
 36979 | D:14     | 36979 ||| SWAPPING to +9 broad axe "Kosum" {antimagic,
                  | rC+}.
 36980 | D:14     | 36980 ||| SWAPPING to +6 heavy broad axe.
 36981 | D:14     | 36981 ||| SWAPPING to +9 broad axe "Kosum" {antimagic,
                  | rC+}.
 36982 | D:14     | 36982 ||| SWAPPING to +6 heavy broad axe.
 36983 | D:14     | 36983 ||| SWAPPING to +9 broad axe "Kosum" {antimagic,
                  | rC+}.
 36984 | D:14     | 36984 ||| SWAPPING to +6 heavy broad axe.
 36985 | D:14     | 36985 ||| SWAPPING to +9 broad axe "Kosum" {antimagic,
                  | rC+}.
 36986 | D:14     | 36986 ||| SWAPPING to +6 heavy broad axe.
 36987 | D:14     | 36987 ||| SWAPPING to +9 broad axe "Kosum" {antimagic,
                  | rC+}.
 36988 | D:14     | 36988 ||| SWAPPING to +6 heavy broad axe.
 36989 | D:14     | 36989 ||| SWAPPING to +9 broad axe "Kosum" {antimagic,
                  | rC+}.
 36990 | D:14     | 36990 ||| SWAPPING to +6 heavy broad axe.
 36991 | D:14     | 36991 ||| SWAPPING to +9 broad axe "Kosum" {antimagic,
                  | rC+}.
 36992 | D:14     | 36992 ||| SWAPPING to +6 heavy broad axe.
 36993 | D:14     | 36993 ||| SWAPPING to +9 broad axe "Kosum" {antimagic,
                  | rC+}.
 36994 | D:14     | 36994 ||| SWAPPING to +6 heavy broad axe.
 36995 | D:14     | 36995 ||| SWAPPING to +9 broad axe "Kosum" {antimagic,
                  | rC+}.
 36996 | D:14     | 36996 ||| SWAPPING to +6 heavy broad axe.
 36997 | D:14     | 36997 ||| SWAPPING to +9 broad axe "Kosum" {antimagic,
                  | rC+}.
 36998 | D:14     | 36998 ||| SWAPPING to +6 heavy broad axe.
 36999 | D:14     | 36999 ||| SWAPPING to +9 broad axe "Kosum" {antimagic,
                  | rC+}.
 37000 | D:14     | 37000 ||| SWAPPING to +6 heavy broad axe.
 37001 | D:14     | 37001 ||| SWAPPING to +9 broad axe "Kosum" {antimagic,
                  | rC+}.
 37002 | D:14     | 37002 ||| SWAPPING to +6 heavy broad axe.
 37003 | D:14     | 37003 ||| SWAPPING to +9 broad axe "Kosum" {antimagic,
                  | rC+}.
 37004 | D:14     | 37004 ||| SWAPPING to +6 heavy broad axe.
 37005 | D:14     | 37005 ||| SWAPPING to +9 broad axe "Kosum" {antimagic,
                  | rC+}.
 37006 | D:14     | 37006 ||| SWAPPING to +6 heavy broad axe.
 37007 | D:14     | 37007 ||| SWAPPING to +9 broad axe "Kosum" {antimagic,
                  | rC+}.
 37008 | D:14     | 37008 ||| SWAPPING to +6 heavy broad axe.
 37009 | D:14     | 37009 ||| SWAPPING to +9 broad axe "Kosum" {antimagic,
                  | rC+}.
 37010 | D:14     | 37010 ||| SWAPPING to +6 heavy broad axe.
 37011 | D:14     | 37011 ||| SWAPPING to +9 broad axe "Kosum" {antimagic,
                  | rC+}.
 37012 | D:14     | 37012 ||| SWAPPING to +6 heavy broad axe.
 37013 | D:14     | 37013 ||| SWAPPING to +9 broad axe "Kosum" {antimagic,
                  | rC+}.
 37014 | D:14     | 37014 ||| SWAPPING to +6 heavy broad axe.
 37015 | D:14     | 37015 ||| SWAPPING to +9 broad axe "Kosum" {antimagic,
                  | rC+}.
 37016 | D:14     | 37016 ||| SWAPPING to +6 heavy broad axe.
 37017 | D:14     | 37017 ||| SWAPPING to +9 broad axe "Kosum" {antimagic,
                  | rC+}.
 37018 | D:14     | 37018 ||| SWAPPING to +6 heavy broad axe.
 37019 | D:14     | 37019 ||| SWAPPING to +9 broad axe "Kosum" {antimagic,
                  | rC+}.
 37020 | D:14     | 37020 ||| SWAPPING to +6 heavy broad axe.
 37021 | D:14     | 37021 ||| SWAPPING to +9 broad axe "Kosum" {antimagic,
                  | rC+}.
 37022 | D:14     | 37022 ||| SWAPPING to +6 heavy broad axe.
 37023 | D:14     | 37023 ||| SWAPPING to +9 broad axe "Kosum" {antimagic,
                  | rC+}.
 37024 | D:14     | 37024 ||| SWAPPING to +6 heavy broad axe.
 37025 | D:14     | 37025 ||| SWAPPING to +9 broad axe "Kosum" {antimagic,
                  | rC+}.
 37026 | D:14     | 37026 ||| SWAPPING to +6 heavy broad axe.
 37027 | D:14     | 37027 ||| SWAPPING to +9 broad axe "Kosum" {antimagic,
                  | rC+}.
 37028 | D:14     | 37028 ||| SWAPPING to +6 heavy broad axe.
 37029 | D:14     | 37029 ||| SWAPPING to +9 broad axe "Kosum" {antimagic,
                  | rC+}.
 37030 | D:14     | 37030 ||| SWAPPING to +6 heavy broad axe.
 37031 | D:14     | 37031 ||| SWAPPING to +9 broad axe "Kosum" {antimagic,
                  | rC+}.
 37032 | D:14     | 37032 ||| SWAPPING to +6 heavy broad axe.
 37033 | D:14     | 37033 ||| SWAPPING to +9 broad axe "Kosum" {antimagic,
                  | rC+}.
 37034 | D:14     | 37034 ||| SWAPPING to +6 heavy broad axe.
 37035 | D:14     | 37035 ||| SWAPPING to +9 broad axe "Kosum" {antimagic,
                  | rC+}.
 37036 | D:14     | 37036 ||| SWAPPING to +6 heavy broad axe.
 37037 | D:14     | 37037 ||| SWAPPING to +9 broad axe "Kosum" {antimagic,
                  | rC+}.
 37038 | D:14     | 37038 ||| SWAPPING to +6 heavy broad axe.
 37039 | D:14     | 37039 ||| SWAPPING to +9 broad axe "Kosum" {antimagic,
                  | rC+}.
 37040 | D:14     | 37040 ||| SWAPPING to +6 heavy broad axe.
 37041 | D:14     | 37041 ||| SWAPPING to +9 broad axe "Kosum" {antimagic,
                  | rC+}.
 37042 | D:14     | 37042 ||| SWAPPING to +6 heavy broad axe.
 37043 | D:14     | 37043 ||| SWAPPING to +9 broad axe "Kosum" {antimagic,
                  | rC+}.
 37044 | D:14     | 37044 ||| SWAPPING to +6 heavy broad axe.
 37045 | D:14     | 37045 ||| SWAPPING to +9 broad axe "Kosum" {antimagic,
                  | rC+}.
 37046 | D:14     | 37046 ||| SWAPPING to +6 heavy broad axe.
 37047 | D:14     | 37047 ||| SWAPPING to +9 broad axe "Kosum" {antimagic,
                  | rC+}.
 37048 | D:14     | 37048 ||| SWAPPING to +6 heavy broad axe.
 37049 | D:14     | 37049 ||| SWAPPING to +9 broad axe "Kosum" {antimagic,
                  | rC+}.
 37050 | D:14     | 37050 ||| SWAPPING to +6 heavy broad axe.
 37051 | D:14     | 37051 ||| SWAPPING to +9 broad axe "Kosum" {antimagic,
                  | rC+}.
 37052 | D:14     | 37052 ||| SWAPPING to +6 heavy broad axe.
 37053 | D:14     | 37053 ||| SWAPPING to +9 broad axe "Kosum" {antimagic,
                  | rC+}.
 37054 | D:14     | 37054 ||| SWAPPING to +6 heavy broad axe.
 37055 | D:14     | 37055 ||| SWAPPING to +9 broad axe "Kosum" {antimagic,
                  | rC+}.
 37056 | D:14     | 37056 ||| SWAPPING to +6 heavy broad axe.
 37057 | D:14     | 37057 ||| SWAPPING to +9 broad axe "Kosum" {antimagic,
                  | rC+}.
 37058 | D:14     | 37058 ||| SWAPPING to +6 heavy broad axe.
 37059 | D:14     | 37059 ||| SWAPPING to +9 broad axe "Kosum" {antimagic,
                  | rC+}.
 37060 | D:14     | 37060 ||| SWAPPING to +6 heavy broad axe.
 37061 | D:14     | 37061 ||| SWAPPING to +9 broad axe "Kosum" {antimagic,
                  | rC+}.
 37062 | D:14     | 37062 ||| SWAPPING to +6 heavy broad axe.
 37063 | D:14     | 37063 ||| SWAPPING to +9 broad axe "Kosum" {antimagic,
                  | rC+}.
 37064 | D:14     | 37064 ||| SWAPPING to +6 heavy broad axe.
 37065 | D:14     | 37065 ||| SWAPPING to +9 broad axe "Kosum" {antimagic,
                  | rC+}.
 37066 | D:14     | 37066 ||| SWAPPING to +6 heavy broad axe.
 37067 | D:14     | 37067 ||| SWAPPING to +9 broad axe "Kosum" {antimagic,
                  | rC+}.
 37068 | D:14     | 37068 ||| SWAPPING to +6 heavy broad axe.
 37069 | D:14     | 37069 ||| SWAPPING to +9 broad axe "Kosum" {antimagic,
                  | rC+}.
 37070 | D:14     | 37070 ||| SWAPPING to +6 heavy broad axe.
 37071 | D:14     | 37071 ||| SWAPPING to +9 broad axe "Kosum" {antimagic,
                  | rC+}.
 37072 | D:14     | 37072 ||| SWAPPING to +6 heavy broad axe.
 37073 | D:14     | 37073 ||| SWAPPING to +9 broad axe "Kosum" {antimagic,
                  | rC+}.
 37074 | D:14     | 37074 ||| SWAPPING to +6 heavy broad axe.
 37075 | D:14     | 37075 ||| SWAPPING to +9 broad axe "Kosum" {antimagic,
                  | rC+}.
 37076 | D:14     | 37076 ||| SWAPPING to +6 heavy broad axe.
 37077 | D:14     | 37077 ||| SWAPPING to +9 broad axe "Kosum" {antimagic,
                  | rC+}.
 37078 | D:14     | 37078 ||| SWAPPING to +6 heavy broad axe.
 37079 | D:14     | 37079 ||| SWAPPING to +9 broad axe "Kosum" {antimagic,
                  | rC+}.
 37080 | D:14     | 37080 ||| SWAPPING to +6 heavy broad axe.
 37081 | D:14     | 37081 ||| SWAPPING to +9 broad axe "Kosum" {antimagic,
                  | rC+}.
 37082 | D:14     | 37082 ||| SWAPPING to +6 heavy broad axe.
 37083 | D:14     | 37083 ||| SWAPPING to +9 broad axe "Kosum" {antimagic,
                  | rC+}.
 37084 | D:14     | 37084 ||| SWAPPING to +6 heavy broad axe.
 37085 | D:14     | 37085 ||| SWAPPING to +9 broad axe "Kosum" {antimagic,
                  | rC+}.
 37086 | D:14     | 37086 ||| SWAPPING to +6 heavy broad axe.
 37087 | D:14     | 37087 ||| SWAPPING to +9 broad axe "Kosum" {antimagic,
                  | rC+}.
 37088 | D:14     | 37088 ||| SWAPPING to +6 heavy broad axe.
 37089 | D:14     | 37089 ||| SWAPPING to +9 broad axe "Kosum" {antimagic,
                  | rC+}.
 37090 | D:14     | 37090 ||| SWAPPING to +6 heavy broad axe.
 37091 | D:14     | 37091 ||| SWAPPING to +9 broad axe "Kosum" {antimagic,
                  | rC+}.
 37092 | D:14     | 37092 ||| SWAPPING to +6 heavy broad axe.
 37093 | D:14     | 37093 ||| SWAPPING to +9 broad axe "Kosum" {antimagic,
                  | rC+}.
 37094 | D:14     | 37094 ||| SWAPPING to +6 heavy broad axe.
 37095 | D:14     | 37095 ||| SWAPPING to +9 broad axe "Kosum" {antimagic,
                  | rC+}.
 37096 | D:14     | 37096 ||| SWAPPING to +6 heavy broad axe.
 37097 | D:14     | 37097 ||| SWAPPING to +9 broad axe "Kosum" {antimagic,
                  | rC+}.
 37098 | D:14     | 37098 ||| SWAPPING to +6 heavy broad axe.
 37099 | D:14     | 37099 ||| SWAPPING to +9 broad axe "Kosum" {antimagic,
                  | rC+}.
 37100 | D:14     | 37100 ||| SWAPPING to +6 heavy broad axe.
 37101 | D:14     | 37101 ||| SWAPPING to +9 broad axe "Kosum" {antimagic,
                  | rC+}.
 37102 | D:14     | 37102 ||| SWAPPING to +6 heavy broad axe.
 37103 | D:14     | 37103 ||| SWAPPING to +9 broad axe "Kosum" {antimagic,
                  | rC+}.
 37104 | D:14     | 37104 ||| SWAPPING to +6 heavy broad axe.
 37105 | D:14     | 37105 ||| SWAPPING to +9 broad axe "Kosum" {antimagic,
                  | rC+}.
 37106 | D:14     | 37106 ||| SWAPPING to +6 heavy broad axe.
 37107 | D:14     | 37107 ||| SWAPPING to +9 broad axe "Kosum" {antimagic,
                  | rC+}.
 37108 | D:14     | 37108 ||| SWAPPING to +6 heavy broad axe.
 37109 | D:14     | 37109 ||| SWAPPING to +9 broad axe "Kosum" {antimagic,
                  | rC+}.
 37110 | D:14     | 37110 ||| SWAPPING to +6 heavy broad axe.
 37111 | D:14     | 37111 ||| SWAPPING to +9 broad axe "Kosum" {antimagic,
                  | rC+}.
 37112 | D:14     | 37112 ||| SWAPPING to +6 heavy broad axe.
 37113 | D:14     | 37113 ||| SWAPPING to +9 broad axe "Kosum" {antimagic,
                  | rC+}.
 37114 | D:14     | 37114 ||| SWAPPING to +6 heavy broad axe.
 37115 | D:14     | 37115 ||| SWAPPING to +9 broad axe "Kosum" {antimagic,
                  | rC+}.
 37116 | D:14     | 37116 ||| SWAPPING to +6 heavy broad axe.
 37117 | D:14     | 37117 ||| SWAPPING to +9 broad axe "Kosum" {antimagic,
                  | rC+}.
 37118 | D:14     | 37118 ||| SWAPPING to +6 heavy broad axe.
 37119 | D:14     | 37119 ||| SWAPPING to +9 broad axe "Kosum" {antimagic,
                  | rC+}.
 37120 | D:14     | 37120 ||| SWAPPING to +6 heavy broad axe.
 37121 | D:14     | 37121 ||| SWAPPING to +9 broad axe "Kosum" {antimagic,
                  | rC+}.
 37122 | D:14     | 37122 ||| SWAPPING to +6 heavy broad axe.
 37123 | D:14     | 37123 ||| SWAPPING to +9 broad axe "Kosum" {antimagic,
                  | rC+}.
 37124 | D:14     | 37124 ||| SWAPPING to +6 heavy broad axe.
 37125 | D:14     | 37125 ||| SWAPPING to +9 broad axe "Kosum" {antimagic,
                  | rC+}.
 37126 | D:14     | 37126 ||| SWAPPING to +6 heavy broad axe.
 37127 | D:14     | 37127 ||| SWAPPING to +9 broad axe "Kosum" {antimagic,
                  | rC+}.
 37128 | D:14     | 37128 ||| SWAPPING to +6 heavy broad axe.
 37129 | D:14     | 37129 ||| SWAPPING to +9 broad axe "Kosum" {antimagic,
                  | rC+}.
 37130 | D:14     | 37130 ||| SWAPPING to +6 heavy broad axe.
 37131 | D:14     | 37131 ||| SWAPPING to +9 broad axe "Kosum" {antimagic,
                  | rC+}.
 37132 | D:14     | 37132 ||| SWAPPING to +6 heavy broad axe.
 37133 | D:14     | 37133 ||| SWAPPING to +9 broad axe "Kosum" {antimagic,
                  | rC+}.
 37134 | D:14     | 37134 ||| SWAPPING to +6 heavy broad axe.
 37135 | D:14     | 37135 ||| SWAPPING to +9 broad axe "Kosum" {antimagic,
                  | rC+}.
 37136 | D:14     | 37136 ||| SWAPPING to +6 heavy broad axe.
 37137 | D:14     | 37137 ||| SWAPPING to +9 broad axe "Kosum" {antimagic,
                  | rC+}.
 37138 | D:14     | 37138 ||| SWAPPING to +6 heavy broad axe.
 37139 | D:14     | 37139 ||| SWAPPING to +9 broad axe "Kosum" {antimagic,
                  | rC+}.
 37140 | D:14     | 37140 ||| SWAPPING to +6 heavy broad axe.
 37141 | D:14     | 37141 ||| SWAPPING to +9 broad axe "Kosum" {antimagic,
                  | rC+}.
 37142 | D:14     | 37142 ||| SWAPPING to +6 heavy broad axe.
 37143 | D:14     | 37143 ||| SWAPPING to +9 broad axe "Kosum" {antimagic,
                  | rC+}.
 37144 | D:14     | 37144 ||| SWAPPING to +6 heavy broad axe.
 37145 | D:14     | 37145 ||| SWAPPING to +9 broad axe "Kosum" {antimagic,
                  | rC+}.
 37146 | D:14     | 37146 ||| SWAPPING to +6 heavy broad axe.
 37147 | D:14     | 37147 ||| SWAPPING to +9 broad axe "Kosum" {antimagic,
                  | rC+}.
 37148 | D:14     | 37148 ||| SWAPPING to +6 heavy broad axe.
 37149 | D:14     | 37149 ||| SWAPPING to +9 broad axe "Kosum" {antimagic,
                  | rC+}.
 37150 | D:14     | 37150 ||| SWAPPING to +6 heavy broad axe.
 37151 | D:14     | 37151 ||| SWAPPING to +9 broad axe "Kosum" {antimagic,
                  | rC+}.
 37152 | D:14     | 37152 ||| SWAPPING to +6 heavy broad axe.
 37153 | D:14     | 37153 ||| SWAPPING to +9 broad axe "Kosum" {antimagic,
                  | rC+}.
 37154 | D:14     | 37154 ||| SWAPPING to +6 heavy broad axe.
 37155 | D:14     | 37155 ||| SWAPPING to +9 broad axe "Kosum" {antimagic,
                  | rC+}.
 37156 | D:14     | 37156 ||| SWAPPING to +6 heavy broad axe.
 37157 | D:14     | 37157 ||| SWAPPING to +9 broad axe "Kosum" {antimagic,
                  | rC+}.
 37158 | D:14     | 37158 ||| SWAPPING to +6 heavy broad axe.
 37159 | D:14     | 37159 ||| SWAPPING to +9 broad axe "Kosum" {antimagic,
                  | rC+}.
 37160 | D:14     | 37160 ||| SWAPPING to +6 heavy broad axe.
 37161 | D:14     | 37161 ||| SWAPPING to +9 broad axe "Kosum" {antimagic,
                  | rC+}.
 37162 | D:14     | 37162 ||| SWAPPING to +6 heavy broad axe.
 37163 | D:14     | 37163 ||| SWAPPING to +9 broad axe "Kosum" {antimagic,
                  | rC+}.
 37164 | D:14     | 37164 ||| SWAPPING to +6 heavy broad axe.
 37165 | D:14     | 37165 ||| SWAPPING to +9 broad axe "Kosum" {antimagic,
                  | rC+}.
 37166 | D:14     | 37166 ||| SWAPPING to +6 heavy broad axe.
 37167 | D:14     | 37167 ||| SWAPPING to +9 broad axe "Kosum" {antimagic,
                  | rC+}.
 37168 | D:14     | 37168 ||| SWAPPING to +6 heavy broad axe.
 37169 | D:14     | 37169 ||| SWAPPING to +9 broad axe "Kosum" {antimagic,
                  | rC+}.
 37170 | D:14     | 37170 ||| SWAPPING to +6 heavy broad axe.
 37171 | D:14     | 37171 ||| SWAPPING to +9 broad axe "Kosum" {antimagic,
                  | rC+}.
 37172 | D:14     | 37172 ||| SWAPPING to +6 heavy broad axe.
 37173 | D:14     | 37173 ||| SWAPPING to +9 broad axe "Kosum" {antimagic,
                  | rC+}.
 37174 | D:14     | 37174 ||| SWAPPING to +6 heavy broad axe.
 37175 | D:14     | 37175 ||| SWAPPING to +9 broad axe "Kosum" {antimagic,
                  | rC+}.
 37176 | D:14     | 37176 ||| SWAPPING to +6 heavy broad axe.
 37177 | D:14     | 37177 ||| SWAPPING to +9 broad axe "Kosum" {antimagic,
                  | rC+}.
 37178 | D:14     | 37178 ||| SWAPPING to +6 heavy broad axe.
 37179 | D:14     | 37179 ||| SWAPPING to +9 broad axe "Kosum" {antimagic,
                  | rC+}.
 37180 | D:14     | 37180 ||| SWAPPING to +6 heavy broad axe.
 37181 | D:14     | 37181 ||| SWAPPING to +9 broad axe "Kosum" {antimagic,
                  | rC+}.
 37182 | D:14     | 37182 ||| SWAPPING to +6 heavy broad axe.
 37183 | D:14     | 37183 ||| SWAPPING to +9 broad axe "Kosum" {antimagic,
                  | rC+}.
 37184 | D:14     | 37184 ||| SWAPPING to +6 heavy broad axe.
 37185 | D:14     | 37185 ||| SWAPPING to +9 broad axe "Kosum" {antimagic,
                  | rC+}.
 37186 | D:14     | 37186 ||| SWAPPING to +6 heavy broad axe.
 37187 | D:14     | 37187 ||| SWAPPING to +9 broad axe "Kosum" {antimagic,
                  | rC+}.
 37188 | D:14     | 37188 ||| SWAPPING to +6 heavy broad axe.
 37189 | D:14     | 37189 ||| SWAPPING to +9 broad axe "Kosum" {antimagic,
                  | rC+}.
 37190 | D:14     | 37190 ||| SWAPPING to +6 heavy broad axe.
 37191 | D:14     | 37191 ||| SWAPPING to +9 broad axe "Kosum" {antimagic,
                  | rC+}.
 37192 | D:14     | 37192 ||| SWAPPING to +6 heavy broad axe.
 37193 | D:14     | 37193 ||| SWAPPING to +9 broad axe "Kosum" {antimagic,
                  | rC+}.
 37194 | D:14     | 37194 ||| SWAPPING to +6 heavy broad axe.
 37195 | D:14     | 37195 ||| SWAPPING to +9 broad axe "Kosum" {antimagic,
                  | rC+}.
 37196 | D:14     | 37196 ||| SWAPPING to +6 heavy broad axe.
 37197 | D:14     | 37197 ||| SWAPPING to +9 broad axe "Kosum" {antimagic,
                  | rC+}.
 37198 | D:14     | 37198 ||| SWAPPING to +6 heavy broad axe.
 37199 | D:14     | 37199 ||| SWAPPING to +9 broad axe "Kosum" {antimagic,
                  | rC+}.
 37200 | D:14     | 37200 ||| SWAPPING to +6 heavy broad axe.
 37201 | D:14     | 37201 ||| SWAPPING to +9 broad axe "Kosum" {antimagic,
                  | rC+}.
 37202 | D:14     | 37202 ||| SWAPPING to +6 heavy broad axe.
 37203 | D:14     | 37203 ||| SWAPPING to +9 broad axe "Kosum" {antimagic,
                  | rC+}.
 37204 | D:14     | 37204 ||| SWAPPING to +6 heavy broad axe.
 37205 | D:14     | 37205 ||| SWAPPING to +9 broad axe "Kosum" {antimagic,
                  | rC+}.
 37206 | D:14     | 37206 ||| SWAPPING to +6 heavy broad axe.
 37207 | D:14     | 37207 ||| SWAPPING to +9 broad axe "Kosum" {antimagic,
                  | rC+}.
 37208 | D:14     | 37208 ||| SWAPPING to +6 heavy broad axe.
 37209 | D:14     | 37209 ||| SWAPPING to +9 broad axe "Kosum" {antimagic,
                  | rC+}.
 37210 | D:14     | 37210 ||| SWAPPING to +6 heavy broad axe.
 37211 | D:14     | 37211 ||| SWAPPING to +9 broad axe "Kosum" {antimagic,
                  | rC+}.
 37212 | D:14     | 37212 ||| SWAPPING to +6 heavy broad axe.
 37213 | D:14     | 37213 ||| SWAPPING to +9 broad axe "Kosum" {antimagic,
                  | rC+}.
 37214 | D:14     | 37214 ||| SWAPPING to +6 heavy broad axe.
 37215 | D:14     | 37215 ||| SWAPPING to +9 broad axe "Kosum" {antimagic,
                  | rC+}.
 37216 | D:14     | 37216 ||| SWAPPING to +6 heavy broad axe.
 37217 | D:14     | 37217 ||| SWAPPING to +9 broad axe "Kosum" {antimagic,
                  | rC+}.
 37218 | D:14     | 37218 ||| SWAPPING to +6 heavy broad axe.
 37219 | D:14     | 37219 ||| SWAPPING to +9 broad axe "Kosum" {antimagic,
                  | rC+}.
 37220 | D:14     | 37220 ||| SWAPPING to +6 heavy broad axe.
 37221 | D:14     | 37221 ||| SWAPPING to +9 broad axe "Kosum" {antimagic,
                  | rC+}.
 37222 | D:14     | 37222 ||| SWAPPING to +6 heavy broad axe.
 37223 | D:14     | 37223 ||| SWAPPING to +9 broad axe "Kosum" {antimagic,
                  | rC+}.
 37224 | D:14     | 37224 ||| SWAPPING to +6 heavy broad axe.
 37225 | D:14     | 37225 ||| SWAPPING to +9 broad axe "Kosum" {antimagic,
                  | rC+}.
 37226 | D:14     | 37226 ||| SWAPPING to +6 heavy broad axe.
 37227 | D:14     | 37227 ||| SWAPPING to +9 broad axe "Kosum" {antimagic,
                  | rC+}.
 37228 | D:14     | 37228 ||| SWAPPING to +6 heavy broad axe.
 37229 | D:14     | 37229 ||| SWAPPING to +9 broad axe "Kosum" {antimagic,
                  | rC+}.
 37230 | D:14     | 37230 ||| SWAPPING to +6 heavy broad axe.
 37231 | D:14     | 37231 ||| SWAPPING to +9 broad axe "Kosum" {antimagic,
                  | rC+}.
 37232 | D:14     | 37232 ||| SWAPPING to +6 heavy broad axe.
 37233 | D:14     | 37233 ||| SWAPPING to +9 broad axe "Kosum" {antimagic,
                  | rC+}.
 37234 | D:14     | 37234 ||| SWAPPING to +6 heavy broad axe.
 37235 | D:14     | 37235 ||| SWAPPING to +9 broad axe "Kosum" {antimagic,
                  | rC+}.
 37236 | D:14     | 37236 ||| SWAPPING to +6 heavy broad axe.
 37237 | D:14     | 37237 ||| SWAPPING to +9 broad axe "Kosum" {antimagic,
                  | rC+}.
 37238 | D:14     | 37238 ||| SWAPPING to +6 heavy broad axe.
 37239 | D:14     | 37239 ||| SWAPPING to +9 broad axe "Kosum" {antimagic,
                  | rC+}.
 37240 | D:14     | 37240 ||| SWAPPING to +6 heavy broad axe.
 37241 | D:14     | 37241 ||| SWAPPING to +9 broad axe "Kosum" {antimagic,
                  | rC+}.
 37242 | D:14     | 37242 ||| SWAPPING to +6 heavy broad axe.
 37243 | D:14     | 37243 ||| SWAPPING to +9 broad axe "Kosum" {antimagic,
                  | rC+}.
 37244 | D:14     | 37244 ||| SWAPPING to +6 heavy broad axe.
 37245 | D:14     | 37245 ||| SWAPPING to +9 broad axe "Kosum" {antimagic,
                  | rC+}.
 37246 | D:14     | 37246 ||| SWAPPING to +6 heavy broad axe.
 37247 | D:14     | 37247 ||| SWAPPING to +9 broad axe "Kosum" {antimagic,
                  | rC+}.
 37248 | D:14     | 37248 ||| SWAPPING to +6 heavy broad axe.
 37249 | D:14     | 37249 ||| SWAPPING to +9 broad axe "Kosum" {antimagic,
                  | rC+}.
 37250 | D:14     | 37250 ||| SWAPPING to +6 heavy broad axe.
 37251 | D:14     | 37251 ||| SWAPPING to +9 broad axe "Kosum" {antimagic,
                  | rC+}.
 37252 | D:14     | 37252 ||| SWAPPING to +6 heavy broad axe.
 37253 | D:14     | 37253 ||| SWAPPING to +9 broad axe "Kosum" {antimagic,
                  | rC+}.
 37254 | D:14     | 37254 ||| SWAPPING to +6 heavy broad axe.
 37255 | D:14     | 37255 ||| SWAPPING to +9 broad axe "Kosum" {antimagic,
                  | rC+}.
 37256 | D:14     | 37256 ||| SWAPPING to +6 heavy broad axe.
 37257 | D:14     | 37257 ||| SWAPPING to +9 broad axe "Kosum" {antimagic,
                  | rC+}.
 37258 | D:14     | 37258 ||| SWAPPING to +6 heavy broad axe.
 37259 | D:14     | 37259 ||| SWAPPING to +9 broad axe "Kosum" {antimagic,
                  | rC+}.
 37260 | D:14     | 37260 ||| SWAPPING to +6 heavy broad axe.
 37261 | D:14     | 37261 ||| SWAPPING to +9 broad axe "Kosum" {antimagic,
                  | rC+}.
 37262 | D:14     | 37262 ||| SWAPPING to +6 heavy broad axe.
 37263 | D:14     | 37263 ||| SWAPPING to +9 broad axe "Kosum" {antimagic,
                  | rC+}.
 37264 | D:14     | 37264 ||| SWAPPING to +6 heavy broad axe.
 37265 | D:14     | 37265 ||| SWAPPING to +9 broad axe "Kosum" {antimagic,
                  | rC+}.
 37266 | D:14     | 37266 ||| SWAPPING to +6 heavy broad axe.
 37267 | D:14     | 37267 ||| SWAPPING to +9 broad axe "Kosum" {antimagic,
                  | rC+}.
 37268 | D:14     | 37268 ||| SWAPPING to +6 heavy broad axe.
 37269 | D:14     | 37269 ||| SWAPPING to +9 broad axe "Kosum" {antimagic,
                  | rC+}.
 37270 | D:14     | 37270 ||| SWAPPING to +6 heavy broad axe.
 37271 | D:14     | 37271 ||| SWAPPING to +9 broad axe "Kosum" {antimagic,
                  | rC+}.
 37272 | D:14     | 37272 ||| SWAPPING to +6 heavy broad axe.
 37273 | D:14     | 37273 ||| SWAPPING to +9 broad axe "Kosum" {antimagic,
                  | rC+}.
 37274 | D:14     | 37274 ||| SWAPPING to +6 heavy broad axe.
 37275 | D:14     | 37275 ||| SWAPPING to +9 broad axe "Kosum" {antimagic,
                  | rC+}.
 37276 | D:14     | 37276 ||| SWAPPING to +6 heavy broad axe.
 37277 | D:14     | 37277 ||| SWAPPING to +9 broad axe "Kosum" {antimagic,
                  | rC+}.
 37278 | D:14     | 37278 ||| SWAPPING to +6 heavy broad axe.
 37279 | D:14     | 37279 ||| SWAPPING to +9 broad axe "Kosum" {antimagic,
                  | rC+}.
 37280 | D:14     | 37280 ||| SWAPPING to +6 heavy broad axe.
 37281 | D:14     | 37281 ||| SWAPPING to +9 broad axe "Kosum" {antimagic,
                  | rC+}.
 37282 | D:14     | 37282 ||| SWAPPING to +6 heavy broad axe.
 37283 | D:14     | 37283 ||| SWAPPING to +9 broad axe "Kosum" {antimagic,
                  | rC+}.
 37284 | D:14     | 37284 ||| SWAPPING to +6 heavy broad axe.
 37285 | D:14     | 37285 ||| SWAPPING to +9 broad axe "Kosum" {antimagic,
                  | rC+}.
 37286 | D:14     | 37286 ||| SWAPPING to +6 heavy broad axe.
 37287 | D:14     | 37287 ||| SWAPPING to +9 broad axe "Kosum" {antimagic,
                  | rC+}.
 37288 | D:14     | 37288 ||| SWAPPING to +6 heavy broad axe.
 37289 | D:14     | 37289 ||| SWAPPING to +9 broad axe "Kosum" {antimagic,
                  | rC+}.
 37290 | D:14     | 37290 ||| SWAPPING to +6 heavy broad axe.
 37291 | D:14     | 37291 ||| SWAPPING to +9 broad axe "Kosum" {antimagic,
                  | rC+}.
 37292 | D:14     | 37292 ||| SWAPPING to +6 heavy broad axe.
 37293 | D:14     | 37293 ||| SWAPPING to +9 broad axe "Kosum" {antimagic,
                  | rC+}.
 37294 | D:14     | 37294 ||| SWAPPING to +6 heavy broad axe.
 37295 | D:14     | 37295 ||| SWAPPING to +9 broad axe "Kosum" {antimagic,
                  | rC+}.
 37296 | D:14     | 37296 ||| SWAPPING to +6 heavy broad axe.
 37297 | D:14     | 37297 ||| SWAPPING to +9 broad axe "Kosum" {antimagic,
                  | rC+}.
 37298 | D:14     | 37298 ||| SWAPPING to +6 heavy broad axe.
 37299 | D:14     | 37299 ||| SWAPPING to +9 broad axe "Kosum" {antimagic,
                  | rC+}.
 37300 | D:14     | 37300 ||| SWAPPING to +6 heavy broad axe.
 37301 | D:14     | 37301 ||| SWAPPING to +9 broad axe "Kosum" {antimagic,
                  | rC+}.
 37302 | D:14     | 37302 ||| SWAPPING to +6 heavy broad axe.
 37303 | D:14     | 37303 ||| SWAPPING to +9 broad axe "Kosum" {antimagic,
                  | rC+}.
 37304 | D:14     | 37304 ||| SWAPPING to +6 heavy broad axe.
 37305 | D:14     | 37305 ||| SWAPPING to +9 broad axe "Kosum" {antimagic,
                  | rC+}.
 37306 | D:14     | 37306 ||| SWAPPING to +6 heavy broad axe.
 37307 | D:14     | 37307 ||| SWAPPING to +9 broad axe "Kosum" {antimagic,
                  | rC+}.
 37308 | D:14     | 37308 ||| SWAPPING to +6 heavy broad axe.
 37309 | D:14     | 37309 ||| SWAPPING to +9 broad axe "Kosum" {antimagic,
                  | rC+}.
 37310 | D:14     | 37310 ||| SWAPPING to +6 heavy broad axe.
 37311 | D:14     | 37311 ||| SWAPPING to +9 broad axe "Kosum" {antimagic,
                  | rC+}.
 37312 | D:14     | 37312 ||| SWAPPING to +6 heavy broad axe.
 37313 | D:14     | 37313 ||| SWAPPING to +9 broad axe "Kosum" {antimagic,
                  | rC+}.
 37314 | D:14     | 37314 ||| SWAPPING to +6 heavy broad axe.
 37315 | D:14     | 37315 ||| SWAPPING to +9 broad axe "Kosum" {antimagic,
                  | rC+}.
 37316 | D:14     | 37316 ||| SWAPPING to +6 heavy broad axe.
 37317 | D:14     | 37317 ||| SWAPPING to +9 broad axe "Kosum" {antimagic,
                  | rC+}.
 37318 | D:14     | 37318 ||| SWAPPING to +6 heavy broad axe.
 37319 | D:14     | 37319 ||| SWAPPING to +9 broad axe "Kosum" {antimagic,
                  | rC+}.
 37320 | D:14     | 37320 ||| SWAPPING to +6 heavy broad axe.
 37321 | D:14     | 37321 ||| SWAPPING to +9 broad axe "Kosum" {antimagic,
                  | rC+}.
 37322 | D:14     | 37322 ||| SWAPPING to +6 heavy broad axe.
 37323 | D:14     | 37323 ||| SWAPPING to +9 broad axe "Kosum" {antimagic,
                  | rC+}.
 37324 | D:14     | 37324 ||| SWAPPING to +6 heavy broad axe.
 37325 | D:14     | 37325 ||| SWAPPING to +9 broad axe "Kosum" {antimagic,
                  | rC+}.
 37326 | D:14     | 37326 ||| SWAPPING to +6 heavy broad axe.
 37327 | D:14     | 37327 ||| SWAPPING to +9 broad axe "Kosum" {antimagic,
                  | rC+}.
 37328 | D:14     | 37328 ||| SWAPPING to +6 heavy broad axe.
 37329 | D:14     | 37329 ||| SWAPPING to +9 broad axe "Kosum" {antimagic,
                  | rC+}.
 37330 | D:14     | 37330 ||| SWAPPING to +6 heavy broad axe.
 37331 | D:14     | 37331 ||| SWAPPING to +9 broad axe "Kosum" {antimagic,
                  | rC+}.
 37332 | D:14     | 37332 ||| SWAPPING to +6 heavy broad axe.
 37333 | D:14     | 37333 ||| SWAPPING to +9 broad axe "Kosum" {antimagic,
                  | rC+}.
 37334 | D:14     | 37334 ||| SWAPPING to +6 heavy broad axe.
 37335 | D:14     | 37335 ||| SWAPPING to +9 broad axe "Kosum" {antimagic,
                  | rC+}.
 37336 | D:14     | 37336 ||| SWAPPING to +6 heavy broad axe.
 37337 | D:14     | 37337 ||| SWAPPING to +9 broad axe "Kosum" {antimagic,
                  | rC+}.
 37338 | D:14     | 37338 ||| SWAPPING to +6 heavy broad axe.
 37339 | D:14     | 37339 ||| SWAPPING to +9 broad axe "Kosum" {antimagic,
                  | rC+}.
 37340 | D:14     | 37340 ||| SWAPPING to +6 heavy broad axe.
 37341 | D:14     | 37341 ||| SWAPPING to +9 broad axe "Kosum" {antimagic,
                  | rC+}.
 37342 | D:14     | 37342 ||| SWAPPING to +6 heavy broad axe.
 37343 | D:14     | 37343 ||| SWAPPING to +9 broad axe "Kosum" {antimagic,
                  | rC+}.
 37344 | D:14     | 37344 ||| SWAPPING to +6 heavy broad axe.
 37345 | D:14     | 37345 ||| SWAPPING to +9 broad axe "Kosum" {antimagic,
                  | rC+}.
 37346 | D:14     | 37346 ||| SWAPPING to +6 heavy broad axe.
 37347 | D:14     | 37347 ||| SWAPPING to +9 broad axe "Kosum" {antimagic,
                  | rC+}.
 37348 | D:14     | 37348 ||| SWAPPING to +6 heavy broad axe.
 37349 | D:14     | 37349 ||| SWAPPING to +9 broad axe "Kosum" {antimagic,
                  | rC+}.
 37350 | D:14     | 37350 ||| SWAPPING to +6 heavy broad axe.
 37351 | D:14     | 37351 ||| SWAPPING to +9 broad axe "Kosum" {antimagic,
                  | rC+}.
 37352 | D:14     | 37352 ||| SWAPPING to +6 heavy broad axe.
 37353 | D:14     | 37353 ||| SWAPPING to +9 broad axe "Kosum" {antimagic,
                  | rC+}.
 37354 | D:14     | 37354 ||| SWAPPING to +6 heavy broad axe.
 37355 | D:14     | 37355 ||| SWAPPING to +9 broad axe "Kosum" {antimagic,
                  | rC+}.
 37356 | D:14     | 37356 ||| SWAPPING to +6 heavy broad axe.
 37357 | D:14     | 37357 ||| SWAPPING to +9 broad axe "Kosum" {antimagic,
                  | rC+}.
 37358 | D:14     | 37358 ||| SWAPPING to +6 heavy broad axe.
 37359 | D:14     | 37359 ||| SWAPPING to +9 broad axe "Kosum" {antimagic,
                  | rC+}.
 37360 | D:14     | 37360 ||| SWAPPING to +6 heavy broad axe.
 37361 | D:14     | 37361 ||| SWAPPING to +9 broad axe "Kosum" {antimagic,
                  | rC+}.
 37362 | D:14     | 37362 ||| SWAPPING to +6 heavy broad axe.
 37363 | D:14     | 37363 ||| SWAPPING to +9 broad axe "Kosum" {antimagic,
                  | rC+}.
 37364 | D:14     | 37364 ||| SWAPPING to +6 heavy broad axe.
 37365 | D:14     | 37365 ||| SWAPPING to +9 broad axe "Kosum" {antimagic,
                  | rC+}.
 37366 | D:14     | 37366 ||| SWAPPING to +6 heavy broad axe.
 37367 | D:14     | 37367 ||| SWAPPING to +9 broad axe "Kosum" {antimagic,
                  | rC+}.
 37368 | D:14     | 37368 ||| SWAPPING to +6 heavy broad axe.
 37369 | D:14     | 37369 ||| SWAPPING to +9 broad axe "Kosum" {antimagic,
                  | rC+}.
 37370 | D:14     | 37370 ||| SWAPPING to +6 heavy broad axe.
 37371 | D:14     | 37371 ||| SWAPPING to +9 broad axe "Kosum" {antimagic,
                  | rC+}.
 37372 | D:14     | 37372 ||| SWAPPING to +6 heavy broad axe.
 37373 | D:14     | 37373 ||| SWAPPING to +9 broad axe "Kosum" {antimagic,
                  | rC+}.
 37374 | D:14     | 37374 ||| SWAPPING to +6 heavy broad axe.
 37375 | D:14     | 37375 ||| SWAPPING to +9 broad axe "Kosum" {antimagic,
                  | rC+}.
 37376 | D:14     | 37376 ||| SWAPPING to +6 heavy broad axe.
 37377 | D:14     | 37377 ||| SWAPPING to +9 broad axe "Kosum" {antimagic,
                  | rC+}.
 37378 | D:14     | 37378 ||| SWAPPING to +6 heavy broad axe.
 37379 | D:14     | 37379 ||| SWAPPING to +9 broad axe "Kosum" {antimagic,
                  | rC+}.
 37380 | D:14     | 37380 ||| SWAPPING to +6 heavy broad axe.
 37381 | D:14     | 37381 ||| SWAPPING to +9 broad axe "Kosum" {antimagic,
                  | rC+}.
 37382 | D:14     | 37382 ||| SWAPPING to +6 heavy broad axe.
 37383 | D:14     | 37383 ||| SWAPPING to +9 broad axe "Kosum" {antimagic,
                  | rC+}.
 37384 | D:14     | 37384 ||| SWAPPING to +6 heavy broad axe.
 37385 | D:14     | 37385 ||| SWAPPING to +9 broad axe "Kosum" {antimagic,
                  | rC+}.
 37386 | D:14     | 37386 ||| SWAPPING to +6 heavy broad axe.
 37387 | D:14     | 37387 ||| SWAPPING to +9 broad axe "Kosum" {antimagic,
                  | rC+}.
 37388 | D:14     | 37388 ||| SWAPPING to +6 heavy broad axe.
 37389 | D:14     | 37389 ||| SWAPPING to +9 broad axe "Kosum" {antimagic,
                  | rC+}.
 37390 | D:14     | 37390 ||| SWAPPING to +6 heavy broad axe.
 37391 | D:14     | 37391 ||| SWAPPING to +9 broad axe "Kosum" {antimagic,
                  | rC+}.
 37392 | D:14     | 37392 ||| SWAPPING to +6 heavy broad axe.
 37393 | D:14     | 37393 ||| SWAPPING to +9 broad axe "Kosum" {antimagic,
                  | rC+}.
 37394 | D:14     | 37394 ||| SWAPPING to +6 heavy broad axe.
 37395 | D:14     | 37395 ||| SWAPPING to +9 broad axe "Kosum" {antimagic,
                  | rC+}.
 37396 | D:14     | 37396 ||| SWAPPING to +6 heavy broad axe.
 37397 | D:14     | 37397 ||| SWAPPING to +9 broad axe "Kosum" {antimagic,
                  | rC+}.
 37398 | D:14     | 37398 ||| SWAPPING to +6 heavy broad axe.
 37399 | D:14     | 37399 ||| SWAPPING to +9 broad axe "Kosum" {antimagic,
                  | rC+}.
 37400 | D:14     | 37400 ||| SWAPPING to +6 heavy broad axe.
 37401 | D:14     | 37401 ||| SWAPPING to +9 broad axe "Kosum" {antimagic,
                  | rC+}.
 37402 | D:14     | 37402 ||| SWAPPING to +6 heavy broad axe.
 37403 | D:14     | 37403 ||| SWAPPING to +9 broad axe "Kosum" {antimagic,
                  | rC+}.
 37404 | D:14     | 37404 ||| SWAPPING to +6 heavy broad axe.
 37405 | D:14     | 37405 ||| SWAPPING to +9 broad axe "Kosum" {antimagic,
                  | rC+}.
 37406 | D:14     | 37406 ||| SWAPPING to +6 heavy broad axe.
 37407 | D:14     | 37407 ||| SWAPPING to +9 broad axe "Kosum" {antimagic,
                  | rC+}.
 37408 | D:14     | 37408 ||| SWAPPING to +6 heavy broad axe.
 37409 | D:14     | 37409 ||| SWAPPING to +9 broad axe "Kosum" {antimagic,
                  | rC+}.
 37410 | D:14     | 37410 ||| SWAPPING to +6 heavy broad axe.
 37411 | D:14     | 37411 ||| SWAPPING to +9 broad axe "Kosum" {antimagic,
                  | rC+}.
 37412 | D:14     | 37412 ||| SWAPPING to +6 heavy broad axe.
 37413 | D:14     | 37413 ||| SWAPPING to +9 broad axe "Kosum" {antimagic,
                  | rC+}.
 37414 | D:14     | 37414 ||| SWAPPING to +6 heavy broad axe.
 37415 | D:14     | 37415 ||| SWAPPING to +9 broad axe "Kosum" {antimagic,
                  | rC+}.
 37416 | D:14     | 37416 ||| SWAPPING to +6 heavy broad axe.
 37417 | D:14     | 37417 ||| SWAPPING to +9 broad axe "Kosum" {antimagic,
                  | rC+}.
 37418 | D:14     | 37418 ||| SWAPPING to +6 heavy broad axe.
 37419 | D:14     | 37419 ||| SWAPPING to +9 broad axe "Kosum" {antimagic,
                  | rC+}.
 37420 | D:14     | 37420 ||| SWAPPING to +6 heavy broad axe.
 37421 | D:14     | 37421 ||| SWAPPING to +9 broad axe "Kosum" {antimagic,
                  | rC+}.
 37422 | D:14     | 37422 ||| SWAPPING to +6 heavy broad axe.
 37423 | D:14     | 37423 ||| SWAPPING to +9 broad axe "Kosum" {antimagic,
                  | rC+}.
 37424 | D:14     | 37424 ||| SWAPPING to +6 heavy broad axe.
 37425 | D:14     | 37425 ||| SWAPPING to +9 broad axe "Kosum" {antimagic,
                  | rC+}.
 37426 | D:14     | 37426 ||| SWAPPING to +6 heavy broad axe.
 37427 | D:14     | 37427 ||| SWAPPING to +9 broad axe "Kosum" {antimagic,
                  | rC+}.
 37428 | D:14     | 37428 ||| SWAPPING to +6 heavy broad axe.
 37429 | D:14     | 37429 ||| SWAPPING to +9 broad axe "Kosum" {antimagic,
                  | rC+}.
 37430 | D:14     | 37430 ||| SWAPPING to +6 heavy broad axe.
 37431 | D:14     | 37431 ||| SWAPPING to +9 broad axe "Kosum" {antimagic,
                  | rC+}.
 37432 | D:14     | 37432 ||| SWAPPING to +6 heavy broad axe.
 37433 | D:14     | 37433 ||| SWAPPING to +9 broad axe "Kosum" {antimagic,
                  | rC+}.
 37434 | D:14     | 37434 ||| SWAPPING to +6 heavy broad axe.
 37435 | D:14     | 37435 ||| SWAPPING to +9 broad axe "Kosum" {antimagic,
                  | rC+}.
 37436 | D:14     | 37436 ||| SWAPPING to +6 heavy broad axe.
 37437 | D:14     | 37437 ||| SWAPPING to +9 broad axe "Kosum" {antimagic,
                  | rC+}.
 37438 | D:14     | 37438 ||| SWAPPING to +6 heavy broad axe.
 37439 | D:14     | 37439 ||| SWAPPING to +9 broad axe "Kosum" {antimagic,
                  | rC+}.
 37440 | D:14     | 37440 ||| SWAPPING to +6 heavy broad axe.
 37441 | D:14     | 37441 ||| SWAPPING to +9 broad axe "Kosum" {antimagic,
                  | rC+}.
 37442 | D:14     | 37442 ||| SWAPPING to +6 heavy broad axe.
 37443 | D:14     | 37443 ||| SWAPPING to +9 broad axe "Kosum" {antimagic,
                  | rC+}.
 37444 | D:14     | 37444 ||| SWAPPING to +6 heavy broad axe.
 37445 | D:14     | 37445 ||| SWAPPING to +9 broad axe "Kosum" {antimagic,
                  | rC+}.
 37446 | D:14     | 37446 ||| SWAPPING to +6 heavy broad axe.
 37447 | D:14     | 37447 ||| SWAPPING to +9 broad axe "Kosum" {antimagic,
                  | rC+}.
 37448 | D:14     | 37448 ||| SWAPPING to +6 heavy broad axe.
 37449 | D:14     | 37449 ||| SWAPPING to +9 broad axe "Kosum" {antimagic,
                  | rC+}.
 37450 | D:14     | 37450 ||| SWAPPING to +6 heavy broad axe.
 37451 | D:14     | 37451 ||| SWAPPING to +9 broad axe "Kosum" {antimagic,
                  | rC+}.
 37452 | D:14     | 37452 ||| SWAPPING to +6 heavy broad axe.
 37453 | D:14     | 37453 ||| SWAPPING to +9 broad axe "Kosum" {antimagic,
                  | rC+}.
 37454 | D:14     | 37454 ||| SWAPPING to +6 heavy broad axe.
 37455 | D:14     | 37455 ||| SWAPPING to +9 broad axe "Kosum" {antimagic,
                  | rC+}.
 37456 | D:14     | 37456 ||| SWAPPING to +6 heavy broad axe.
 37457 | D:14     | 37457 ||| SWAPPING to +9 broad axe "Kosum" {antimagic,
                  | rC+}.
 37458 | D:14     | 37458 ||| SWAPPING to +6 heavy broad axe.
 37459 | D:14     | 37459 ||| SWAPPING to +9 broad axe "Kosum" {antimagic,
                  | rC+}.
 37460 | D:14     | 37460 ||| SWAPPING to +6 heavy broad axe.
 37461 | D:14     | 37461 ||| SWAPPING to +9 broad axe "Kosum" {antimagic,
                  | rC+}.
 37462 | D:14     | 37462 ||| SWAPPING to +6 heavy broad axe.
 37463 | D:14     | 37463 ||| SWAPPING to +9 broad axe "Kosum" {antimagic,
                  | rC+}.
 37464 | D:14     | 37464 ||| SWAPPING to +6 heavy broad axe.
 37465 | D:14     | 37465 ||| SWAPPING to +9 broad axe "Kosum" {antimagic,
                  | rC+}.
 37466 | D:14     | 37466 ||| SWAPPING to +6 heavy broad axe.
 37467 | D:14     | 37467 ||| SWAPPING to +9 broad axe "Kosum" {antimagic,
                  | rC+}.
 37468 | D:14     | 37468 ||| SWAPPING to +6 heavy broad axe.
 37469 | D:14     | 37469 ||| SWAPPING to +9 broad axe "Kosum" {antimagic,
                  | rC+}.
 37470 | D:14     | 37470 ||| SWAPPING to +6 heavy broad axe.
 37471 | D:14     | 37471 ||| SWAPPING to +9 broad axe "Kosum" {antimagic,
                  | rC+}.
 37472 | D:14     | 37472 ||| SWAPPING to +6 heavy broad axe.
 37473 | D:14     | 37473 ||| SWAPPING to +9 broad axe "Kosum" {antimagic,
                  | rC+}.
 37474 | D:14     | 37474 ||| SWAPPING to +6 heavy broad axe.
 37475 | D:14     | 37475 ||| SWAPPING to +9 broad axe "Kosum" {antimagic,
                  | rC+}.
 37476 | D:14     | 37476 ||| SWAPPING to +6 heavy broad axe.
 37477 | D:14     | 37477 ||| SWAPPING to +9 broad axe "Kosum" {antimagic,
                  | rC+}.
 37478 | D:14     | 37478 ||| SWAPPING to +6 heavy broad axe.
 37479 | D:14     | 37479 ||| SWAPPING to +9 broad axe "Kosum" {antimagic,
                  | rC+}.
 37480 | D:14     | 37480 ||| SWAPPING to +6 heavy broad axe.
 37481 | D:14     | 37481 ||| SWAPPING to +9 broad axe "Kosum" {antimagic,
                  | rC+}.
 37482 | D:14     | 37482 ||| SWAPPING to +6 heavy broad axe.
 37483 | D:14     | 37483 ||| SWAPPING to +9 broad axe "Kosum" {antimagic,
                  | rC+}.
 37484 | D:14     | 37484 ||| SWAPPING to +6 heavy broad axe.
 37485 | D:14     | 37485 ||| SWAPPING to +9 broad axe "Kosum" {antimagic,
                  | rC+}.
 37486 | D:14     | 37486 ||| SWAPPING to +6 heavy broad axe.
 37487 | D:14     | 37487 ||| SWAPPING to +9 broad axe "Kosum" {antimagic,
                  | rC+}.
 37488 | D:14     | 37488 ||| SWAPPING to +6 heavy broad axe.
 37489 | D:14     | 37489 ||| SWAPPING to +9 broad axe "Kosum" {antimagic,
                  | rC+}.
 37490 | D:14     | 37490 ||| SWAPPING to +6 heavy broad axe.
 37491 | D:14     | 37491 ||| SWAPPING to +9 broad axe "Kosum" {antimagic,
                  | rC+}.
 37492 | D:14     | 37492 ||| SWAPPING to +6 heavy broad axe.
 37493 | D:14     | 37493 ||| SWAPPING to +9 broad axe "Kosum" {antimagic,
                  | rC+}.
 37494 | D:14     | 37494 ||| SWAPPING to +6 heavy broad axe.
 37495 | D:14     | 37495 ||| SWAPPING to +9 broad axe "Kosum" {antimagic,
                  | rC+}.
 37496 | D:14     | 37496 ||| SWAPPING to +6 heavy broad axe.
 37497 | D:14     | 37497 ||| SWAPPING to +9 broad axe "Kosum" {antimagic,
                  | rC+}.
 37498 | D:14     | 37498 ||| SWAPPING to +6 heavy broad axe.
 37499 | D:14     | 37499 ||| SWAPPING to +9 broad axe "Kosum" {antimagic,
                  | rC+}.
 37500 | D:14     | 37500 ||| SWAPPING to +6 heavy broad axe.
 37501 | D:14     | 37501 ||| SWAPPING to +9 broad axe "Kosum" {antimagic,
                  | rC+}.
 37502 | D:14     | 37502 ||| SWAPPING to +6 heavy broad axe.
 37503 | D:14     | 37503 ||| SWAPPING to +9 broad axe "Kosum" {antimagic,
                  | rC+}.
 37504 | D:14     | 37504 ||| SWAPPING to +6 heavy broad axe.
 37505 | D:14     | 37505 ||| SWAPPING to +9 broad axe "Kosum" {antimagic,
                  | rC+}.
 37506 | D:14     | 37506 ||| SWAPPING to +6 heavy broad axe.
 37507 | D:14     | 37507 ||| SWAPPING to +9 broad axe "Kosum" {antimagic,
                  | rC+}.
 37508 | D:14     | 37508 ||| SWAPPING to +6 heavy broad axe.
 37509 | D:14     | 37509 ||| SWAPPING to +9 broad axe "Kosum" {antimagic,
                  | rC+}.
 37510 | D:14     | 37510 ||| SWAPPING to +6 heavy broad axe.
 37511 | D:14     | 37511 ||| SWAPPING to +9 broad axe "Kosum" {antimagic,
                  | rC+}.
 37512 | D:14     | 37512 ||| SWAPPING to +6 heavy broad axe.
 37513 | D:14     | 37513 ||| SWAPPING to +9 broad axe "Kosum" {antimagic,
                  | rC+}.
 37514 | D:14     | 37514 ||| SWAPPING to +6 heavy broad axe.
 37515 | D:14     | 37515 ||| SWAPPING to +9 broad axe "Kosum" {antimagic,
                  | rC+}.
 37516 | D:14     | 37516 ||| SWAPPING to +6 heavy broad axe.
 37517 | D:14     | 37517 ||| SWAPPING to +9 broad axe "Kosum" {antimagic,
                  | rC+}.
 37518 | D:14     | 37518 ||| SWAPPING to +6 heavy broad axe.
 37519 | D:14     | 37519 ||| SWAPPING to +9 broad axe "Kosum" {antimagic,
                  | rC+}.
 37520 | D:14     | 37520 ||| SWAPPING to +6 heavy broad axe.
 37521 | D:14     | 37521 ||| SWAPPING to +9 broad axe "Kosum" {antimagic,
                  | rC+}.
 37522 | D:14     | 37522 ||| SWAPPING to +6 heavy broad axe.
 37523 | D:14     | 37523 ||| SWAPPING to +9 broad axe "Kosum" {antimagic,
                  | rC+}.
 37524 | D:14     | 37524 ||| SWAPPING to +6 heavy broad axe.
 37525 | D:14     | 37525 ||| SWAPPING to +9 broad axe "Kosum" {antimagic,
                  | rC+}.
 37526 | D:14     | 37526 ||| SWAPPING to +6 heavy broad axe.
 37527 | D:14     | 37527 ||| SWAPPING to +9 broad axe "Kosum" {antimagic,
                  | rC+}.
 37528 | D:14     | 37528 ||| SWAPPING to +6 heavy broad axe.
 37529 | D:14     | 37529 ||| SWAPPING to +9 broad axe "Kosum" {antimagic,
                  | rC+}.
 37530 | D:14     | 37530 ||| SWAPPING to +6 heavy broad axe.
 37531 | D:14     | 37531 ||| SWAPPING to +9 broad axe "Kosum" {antimagic,
                  | rC+}.
 37532 | D:14     | 37532 ||| SWAPPING to +6 heavy broad axe.
 37533 | D:14     | 37533 ||| SWAPPING to +9 broad axe "Kosum" {antimagic,
                  | rC+}.
 37534 | D:14     | 37534 ||| SWAPPING to +6 heavy broad axe.
 37535 | D:14     | 37535 ||| SWAPPING to +9 broad axe "Kosum" {antimagic,
                  | rC+}.
 37536 | D:14     | 37536 ||| SWAPPING to +6 heavy broad axe.
 37537 | D:14     | 37537 ||| SWAPPING to +9 broad axe "Kosum" {antimagic,
                  | rC+}.
 37538 | D:14     | 37538 ||| SWAPPING to +6 heavy broad axe.
 37539 | D:14     | 37539 ||| SWAPPING to +9 broad axe "Kosum" {antimagic,
                  | rC+}.
 37540 | D:14     | 37540 ||| SWAPPING to +6 heavy broad axe.
 37541 | D:14     | 37541 ||| SWAPPING to +9 broad axe "Kosum" {antimagic,
                  | rC+}.
 37542 | D:14     | 37542 ||| SWAPPING to +6 heavy broad axe.
 37543 | D:14     | 37543 ||| SWAPPING to +9 broad axe "Kosum" {antimagic,
                  | rC+}.
 37544 | D:14     | 37544 ||| SWAPPING to +6 heavy broad axe.
 37545 | D:14     | 37545 ||| SWAPPING to +9 broad axe "Kosum" {antimagic,
                  | rC+}.
 37546 | D:14     | 37546 ||| SWAPPING to +6 heavy broad axe.
 37547 | D:14     | 37547 ||| SWAPPING to +9 broad axe "Kosum" {antimagic,
                  | rC+}.
 37548 | D:14     | 37548 ||| SWAPPING to +6 heavy broad axe.
 37549 | D:14     | 37549 ||| SWAPPING to +9 broad axe "Kosum" {antimagic,
                  | rC+}.
 37550 | D:14     | 37550 ||| SWAPPING to +6 heavy broad axe.
 37551 | D:14     | 37551 ||| SWAPPING to +9 broad axe "Kosum" {antimagic,
                  | rC+}.
 37552 | D:14     | 37552 ||| SWAPPING to +6 heavy broad axe.
 37553 | D:14     | 37553 ||| SWAPPING to +9 broad axe "Kosum" {antimagic,
                  | rC+}.
 37554 | D:14     | 37554 ||| SWAPPING to +6 heavy broad axe.
 37555 | D:14     | 37555 ||| SWAPPING to +9 broad axe "Kosum" {antimagic,
                  | rC+}.
 37556 | D:14     | 37556 ||| SWAPPING to +6 heavy broad axe.
 37557 | D:14     | 37557 ||| SWAPPING to +9 broad axe "Kosum" {antimagic,
                  | rC+}.
 37558 | D:14     | 37558 ||| SWAPPING to +6 heavy broad axe.
 37559 | D:14     | 37559 ||| SWAPPING to +9 broad axe "Kosum" {antimagic,
                  | rC+}.
 37560 | D:14     | 37560 ||| SWAPPING to +6 heavy broad axe.
 37561 | D:14     | 37561 ||| SWAPPING to +9 broad axe "Kosum" {antimagic,
                  | rC+}.
 37562 | D:14     | 37562 ||| SWAPPING to +6 heavy broad axe.
 37563 | D:14     | 37563 ||| SWAPPING to +9 broad axe "Kosum" {antimagic,
                  | rC+}.
 37564 | D:14     | 37564 ||| SWAPPING to +6 heavy broad axe.
 37565 | D:14     | 37565 ||| SWAPPING to +9 broad axe "Kosum" {antimagic,
                  | rC+}.
 37566 | D:14     | 37566 ||| SWAPPING to +6 heavy broad axe.
 37567 | D:14     | 37567 ||| SWAPPING to +9 broad axe "Kosum" {antimagic,
                  | rC+}.
 37568 | D:14     | 37568 ||| SWAPPING to +6 heavy broad axe.
 37569 | D:14     | 37569 ||| SWAPPING to +9 broad axe "Kosum" {antimagic,
                  | rC+}.
 37570 | D:14     | 37570 ||| SWAPPING to +6 heavy broad axe.
 37571 | D:14     | 37571 ||| SWAPPING to +9 broad axe "Kosum" {antimagic,
                  | rC+}.
 37572 | D:14     | 37572 ||| SWAPPING to +6 heavy broad axe.
 37573 | D:14     | 37573 ||| SWAPPING to +9 broad axe "Kosum" {antimagic,
                  | rC+}.
 37574 | D:14     | 37574 ||| SWAPPING to +6 heavy broad axe.
 37575 | D:14     | 37575 ||| SWAPPING to +9 broad axe "Kosum" {antimagic,
                  | rC+}.
 37576 | D:14     | 37576 ||| SWAPPING to +6 heavy broad axe.
 37577 | D:14     | 37577 ||| SWAPPING to +9 broad axe "Kosum" {antimagic,
                  | rC+}.
 37578 | D:14     | 37578 ||| SWAPPING to +6 heavy broad axe.
 37579 | D:14     | 37579 ||| SWAPPING to +9 broad axe "Kosum" {antimagic,
                  | rC+}.
 37580 | D:14     | 37580 ||| SWAPPING to +6 heavy broad axe.
 37581 | D:14     | 37581 ||| SWAPPING to +9 broad axe "Kosum" {antimagic,
                  | rC+}.
 37582 | D:14     | 37582 ||| SWAPPING to +6 heavy broad axe.
 37583 | D:14     | 37583 ||| SWAPPING to +9 broad axe "Kosum" {antimagic,
                  | rC+}.
 37584 | D:14     | 37584 ||| SWAPPING to +6 heavy broad axe.
 37585 | D:14     | 37585 ||| SWAPPING to +9 broad axe "Kosum" {antimagic,
                  | rC+}.
 37586 | D:14     | 37586 ||| SWAPPING to +6 heavy broad axe.
 37587 | D:14     | 37587 ||| SWAPPING to +9 broad axe "Kosum" {antimagic,
                  | rC+}.
 37588 | D:14     | 37588 ||| SWAPPING to +6 heavy broad axe.
 37589 | D:14     | 37589 ||| SWAPPING to +9 broad axe "Kosum" {antimagic,
                  | rC+}.
 37590 | D:14     | 37590 ||| SWAPPING to +6 heavy broad axe.
 37591 | D:14     | 37591 ||| SWAPPING to +9 broad axe "Kosum" {antimagic,
                  | rC+}.
 37592 | D:14     | 37592 ||| SWAPPING to +6 heavy broad axe.
 37593 | D:14     | 37593 ||| SWAPPING to +9 broad axe "Kosum" {antimagic,
                  | rC+}.
 37594 | D:14     | 37594 ||| SWAPPING to +6 heavy broad axe.
 37595 | D:14     | 37595 ||| SWAPPING to +9 broad axe "Kosum" {antimagic,
                  | rC+}.
 37596 | D:14     | 37596 ||| SWAPPING to +6 heavy broad axe.
 37597 | D:14     | 37597 ||| SWAPPING to +9 broad axe "Kosum" {antimagic,
                  | rC+}.
 37598 | D:14     | 37598 ||| SWAPPING to +6 heavy broad axe.
 37599 | D:14     | 37599 ||| SWAPPING to +9 broad axe "Kosum" {antimagic,
                  | rC+}.
 37600 | D:14     | 37600 ||| SWAPPING to +6 heavy broad axe.
 37601 | D:14     | 37601 ||| SWAPPING to +9 broad axe "Kosum" {antimagic,
                  | rC+}.
 37602 | D:14     | 37602 ||| SWAPPING to +6 heavy broad axe.
 37603 | D:14     | 37603 ||| SWAPPING to +9 broad axe "Kosum" {antimagic,
                  | rC+}.
 37604 | D:14     | 37604 ||| SWAPPING to +6 heavy broad axe.
 37605 | D:14     | 37605 ||| SWAPPING to +9 broad axe "Kosum" {antimagic,
                  | rC+}.
 37606 | D:14     | 37606 ||| SWAPPING to +6 heavy broad axe.
 37607 | D:14     | 37607 ||| SWAPPING to +9 broad axe "Kosum" {antimagic,
                  | rC+}.
 37608 | D:14     | 37608 ||| SWAPPING to +6 heavy broad axe.
 37609 | D:14     | 37609 ||| SWAPPING to +9 broad axe "Kosum" {antimagic,
                  | rC+}.
 37610 | D:14     | 37610 ||| SWAPPING to +6 heavy broad axe.
 37611 | D:14     | 37611 ||| SWAPPING to +9 broad axe "Kosum" {antimagic,
                  | rC+}.
 37612 | D:14     | 37612 ||| SWAPPING to +6 heavy broad axe.
 37613 | D:14     | 37613 ||| SWAPPING to +9 broad axe "Kosum" {antimagic,
                  | rC+}.
 37614 | D:14     | 37614 ||| SWAPPING to +6 heavy broad axe.
 37615 | D:14     | 37615 ||| SWAPPING to +9 broad axe "Kosum" {antimagic,
                  | rC+}.
 37616 | D:14     | 37616 ||| SWAPPING to +6 heavy broad axe.
 37617 | D:14     | 37617 ||| SWAPPING to +9 broad axe "Kosum" {antimagic,
                  | rC+}.
 37618 | D:14     | 37618 ||| SWAPPING to +6 heavy broad axe.
 37619 | D:14     | 37619 ||| SWAPPING to +9 broad axe "Kosum" {antimagic,
                  | rC+}.
 37620 | D:14     | 37620 ||| SWAPPING to +6 heavy broad axe.
 37621 | D:14     | 37621 ||| SWAPPING to +9 broad axe "Kosum" {antimagic,
                  | rC+}.
 37622 | D:14     | 37622 ||| SWAPPING to +6 heavy broad axe.
 37623 | D:14     | 37623 ||| SWAPPING to +9 broad axe "Kosum" {antimagic,
                  | rC+}.
 37624 | D:14     | 37624 ||| SWAPPING to +6 heavy broad axe.
 37625 | D:14     | 37625 ||| SWAPPING to +9 broad axe "Kosum" {antimagic,
                  | rC+}.
 37626 | D:14     | 37626 ||| SWAPPING to +6 heavy broad axe.
 37627 | D:14     | 37627 ||| SWAPPING to +9 broad axe "Kosum" {antimagic,
                  | rC+}.
 37628 | D:14     | 37628 ||| SWAPPING to +6 heavy broad axe.
 37629 | D:14     | 37629 ||| SWAPPING to +9 broad axe "Kosum" {antimagic,
                  | rC+}.
 37630 | D:14     | 37630 ||| SWAPPING to +6 heavy broad axe.
 37631 | D:14     | 37631 ||| SWAPPING to +9 broad axe "Kosum" {antimagic,
                  | rC+}.
 37632 | D:14     | 37632 ||| SWAPPING to +6 heavy broad axe.
 37633 | D:14     | 37633 ||| SWAPPING to +9 broad axe "Kosum" {antimagic,
                  | rC+}.
 37634 | D:14     | 37634 ||| SWAPPING to +6 heavy broad axe.
 37635 | D:14     | 37635 ||| SWAPPING to +9 broad axe "Kosum" {antimagic,
                  | rC+}.
 37636 | D:14     | 37636 ||| SWAPPING to +6 heavy broad axe.
 37637 | D:14     | 37637 ||| SWAPPING to +9 broad axe "Kosum" {antimagic,
                  | rC+}.
 37638 | D:14     | 37638 ||| SWAPPING to +6 heavy broad axe.
 37639 | D:14     | 37639 ||| SWAPPING to +9 broad axe "Kosum" {antimagic,
                  | rC+}.
 37640 | D:14     | 37640 ||| SWAPPING to +6 heavy broad axe.
 37641 | D:14     | 37641 ||| SWAPPING to +9 broad axe "Kosum" {antimagic,
                  | rC+}.
 37642 | D:14     | 37642 ||| SWAPPING to +6 heavy broad axe.
 37643 | D:14     | 37643 ||| SWAPPING to +9 broad axe "Kosum" {antimagic,
                  | rC+}.
 37644 | D:14     | 37644 ||| SWAPPING to +6 heavy broad axe.
 37645 | D:14     | 37645 ||| SWAPPING to +9 broad axe "Kosum" {antimagic,
                  | rC+}.
 37646 | D:14     | 37646 ||| SWAPPING to +6 heavy broad axe.
 37647 | D:14     | 37647 ||| SWAPPING to +9 broad axe "Kosum" {antimagic,
                  | rC+}.
 37648 | D:14     | 37648 ||| SWAPPING to +6 heavy broad axe.
 37649 | D:14     | 37649 ||| SWAPPING to +9 broad axe "Kosum" {antimagic,
                  | rC+}.
 37650 | D:14     | 37650 ||| SWAPPING to +6 heavy broad axe.
 37651 | D:14     | 37651 ||| SWAPPING to +9 broad axe "Kosum" {antimagic,
                  | rC+}.
 37652 | D:14     | 37652 ||| SWAPPING to +6 heavy broad axe.
 37653 | D:14     | 37653 ||| SWAPPING to +9 broad axe "Kosum" {antimagic,
                  | rC+}.
 37654 | D:14     | 37654 ||| SWAPPING to +6 heavy broad axe.
 37655 | D:14     | 37655 ||| SWAPPING to +9 broad axe "Kosum" {antimagic,
                  | rC+}.
 37656 | D:14     | 37656 ||| SWAPPING to +6 heavy broad axe.
 37657 | D:14     | 37657 ||| SWAPPING to +9 broad axe "Kosum" {antimagic,
                  | rC+}.
 37658 | D:14     | 37658 ||| SWAPPING to +6 heavy broad axe.
 37659 | D:14     | 37659 ||| SWAPPING to +9 broad axe "Kosum" {antimagic,
                  | rC+}.
 37660 | D:14     | 37660 ||| SWAPPING to +6 heavy broad axe.
 37661 | D:14     | 37661 ||| SWAPPING to +9 broad axe "Kosum" {antimagic,
                  | rC+}.
 37662 | D:14     | 37662 ||| SWAPPING to +6 heavy broad axe.
 37663 | D:14     | 37663 ||| SWAPPING to +9 broad axe "Kosum" {antimagic,
                  | rC+}.
 37664 | D:14     | 37664 ||| SWAPPING to +6 heavy broad axe.
 37665 | D:14     | 37665 ||| SWAPPING to +9 broad axe "Kosum" {antimagic,
                  | rC+}.
 37666 | D:14     | 37666 ||| SWAPPING to +6 heavy broad axe.
 37667 | D:14     | 37667 ||| SWAPPING to +9 broad axe "Kosum" {antimagic,
                  | rC+}.
 37668 | D:14     | 37668 ||| SWAPPING to +6 heavy broad axe.
 37669 | D:14     | 37669 ||| SWAPPING to +9 broad axe "Kosum" {antimagic,
                  | rC+}.
 37670 | D:14     | 37670 ||| SWAPPING to +6 heavy broad axe.
 37671 | D:14     | 37671 ||| SWAPPING to +9 broad axe "Kosum" {antimagic,
                  | rC+}.
 37672 | D:14     | 37672 ||| SWAPPING to +6 heavy broad axe.
 37673 | D:14     | 37673 ||| SWAPPING to +9 broad axe "Kosum" {antimagic,
                  | rC+}.
 37674 | D:14     | 37674 ||| SWAPPING to +6 heavy broad axe.
 37675 | D:14     | 37675 ||| SWAPPING to +9 broad axe "Kosum" {antimagic,
                  | rC+}.
 37676 | D:14     | 37676 ||| SWAPPING to +6 heavy broad axe.
 37677 | D:14     | 37677 ||| SWAPPING to +9 broad axe "Kosum" {antimagic,
                  | rC+}.
 37678 | D:14     | 37678 ||| SWAPPING to +6 heavy broad axe.
 37679 | D:14     | 37679 ||| SWAPPING to +9 broad axe "Kosum" {antimagic,
                  | rC+}.
 37680 | D:14     | 37680 ||| SWAPPING to +6 heavy broad axe.
 37681 | D:14     | 37681 ||| SWAPPING to +9 broad axe "Kosum" {antimagic,
                  | rC+}.
 37682 | D:14     | 37682 ||| SWAPPING to +6 heavy broad axe.
 37683 | D:14     | 37683 ||| SWAPPING to +9 broad axe "Kosum" {antimagic,
                  | rC+}.
 37684 | D:14     | 37684 ||| SWAPPING to +6 heavy broad axe.
 37685 | D:14     | 37685 ||| SWAPPING to +9 broad axe "Kosum" {antimagic,
                  | rC+}.
 37686 | D:14     | 37686 ||| SWAPPING to +6 heavy broad axe.
 37687 | D:14     | 37687 ||| SWAPPING to +9 broad axe "Kosum" {antimagic,
                  | rC+}.
 37688 | D:14     | 37688 ||| SWAPPING to +6 heavy broad axe.
 37689 | D:14     | 37689 ||| SWAPPING to +9 broad axe "Kosum" {antimagic,
                  | rC+}.
 37690 | D:14     | 37690 ||| SWAPPING to +6 heavy broad axe.
 37691 | D:14     | 37691 ||| SWAPPING to +9 broad axe "Kosum" {antimagic,
                  | rC+}.
 37692 | D:14     | 37692 ||| SWAPPING to +6 heavy broad axe.
 37693 | D:14     | 37693 ||| SWAPPING to +9 broad axe "Kosum" {antimagic,
                  | rC+}.
 37694 | D:14     | 37694 ||| SWAPPING to +6 heavy broad axe.
 37695 | D:14     | 37695 ||| SWAPPING to +9 broad axe "Kosum" {antimagic,
                  | rC+}.
 37696 | D:14     | 37696 ||| SWAPPING to +6 heavy broad axe.
 37697 | D:14     | 37697 ||| SWAPPING to +9 broad axe "Kosum" {antimagic,
                  | rC+}.
 37698 | D:14     | 37698 ||| SWAPPING to +6 heavy broad axe.
 37699 | D:14     | 37699 ||| SWAPPING to +9 broad axe "Kosum" {antimagic,
                  | rC+}.
 37700 | D:14     | 37700 ||| SWAPPING to +6 heavy broad axe.
 37701 | D:14     | 37701 ||| SWAPPING to +9 broad axe "Kosum" {antimagic,
                  | rC+}.
 37702 | D:14     | 37702 ||| SWAPPING to +6 heavy broad axe.
 37703 | D:14     | 37703 ||| SWAPPING to +9 broad axe "Kosum" {antimagic,
                  | rC+}.
 37704 | D:14     | 37704 ||| SWAPPING to +6 heavy broad axe.
 37705 | D:14     | 37705 ||| SWAPPING to +9 broad axe "Kosum" {antimagic,
                  | rC+}.
 37706 | D:14     | 37706 ||| SWAPPING to +6 heavy broad axe.
 37707 | D:14     | 37707 ||| SWAPPING to +9 broad axe "Kosum" {antimagic,
                  | rC+}.
 37708 | D:14     | 37708 ||| SWAPPING to +6 heavy broad axe.
 37709 | D:14     | 37709 ||| SWAPPING to +9 broad axe "Kosum" {antimagic,
                  | rC+}.
 37710 | D:14     | 37710 ||| SWAPPING to +6 heavy broad axe.
 37711 | D:14     | 37711 ||| SWAPPING to +9 broad axe "Kosum" {antimagic,
                  | rC+}.
 37712 | D:14     | 37712 ||| SWAPPING to +6 heavy broad axe.
 37713 | D:14     | 37713 ||| SWAPPING to +9 broad axe "Kosum" {antimagic,
                  | rC+}.
 37714 | D:14     | 37714 ||| SWAPPING to +6 heavy broad axe.
 37715 | D:14     | 37715 ||| SWAPPING to +9 broad axe "Kosum" {antimagic,
                  | rC+}.
 37716 | D:14     | 37716 ||| SWAPPING to +6 heavy broad axe.
 37717 | D:14     | 37717 ||| SWAPPING to +9 broad axe "Kosum" {antimagic,
                  | rC+}.
 37718 | D:14     | 37718 ||| SWAPPING to +6 heavy broad axe.
 37719 | D:14     | 37719 ||| SWAPPING to +9 broad axe "Kosum" {antimagic,
                  | rC+}.
 37720 | D:14     | 37720 ||| SWAPPING to +6 heavy broad axe.
 37721 | D:14     | 37721 ||| SWAPPING to +9 broad axe "Kosum" {antimagic,
                  | rC+}.
 37722 | D:14     | 37722 ||| SWAPPING to +6 heavy broad axe.
 37723 | D:14     | 37723 ||| SWAPPING to +9 broad axe "Kosum" {antimagic,
                  | rC+}.
 37724 | D:14     | 37724 ||| SWAPPING to +6 heavy broad axe.
 37725 | D:14     | 37725 ||| SWAPPING to +9 broad axe "Kosum" {antimagic,
                  | rC+}.
 37726 | D:14     | 37726 ||| SWAPPING to +6 heavy broad axe.
 37727 | D:14     | 37727 ||| SWAPPING to +9 broad axe "Kosum" {antimagic,
                  | rC+}.
 37728 | D:14     | 37728 ||| SWAPPING to +6 heavy broad axe.
 37729 | D:14     | 37729 ||| SWAPPING to +9 broad axe "Kosum" {antimagic,
                  | rC+}.
 37730 | D:14     | 37730 ||| SWAPPING to +6 heavy broad axe.
 37731 | D:14     | 37731 ||| SWAPPING to +9 broad axe "Kosum" {antimagic,
                  | rC+}.
 37732 | D:14     | 37732 ||| SWAPPING to +6 heavy broad axe.
 37733 | D:14     | 37733 ||| SWAPPING to +9 broad axe "Kosum" {antimagic,
                  | rC+}.
 37734 | D:14     | 37734 ||| SWAPPING to +6 heavy broad axe.
 37735 | D:14     | 37735 ||| SWAPPING to +9 broad axe "Kosum" {antimagic,
                  | rC+}.
 37736 | D:14     | 37736 ||| SWAPPING to +6 heavy broad axe.
 37737 | D:14     | 37737 ||| SWAPPING to +9 broad axe "Kosum" {antimagic,
                  | rC+}.
 37738 | D:14     | 37738 ||| SWAPPING to +6 heavy broad axe.
 37739 | D:14     | 37739 ||| SWAPPING to +9 broad axe "Kosum" {antimagic,
                  | rC+}.
 37740 | D:14     | 37740 ||| SWAPPING to +6 heavy broad axe.
 37741 | D:14     | 37741 ||| SWAPPING to +9 broad axe "Kosum" {antimagic,
                  | rC+}.
 37742 | D:14     | 37742 ||| SWAPPING to +6 heavy broad axe.
 37743 | D:14     | 37743 ||| SWAPPING to +9 broad axe "Kosum" {antimagic,
                  | rC+}.
 37744 | D:14     | 37744 ||| SWAPPING to +6 heavy broad axe.
 37745 | D:14     | 37745 ||| SWAPPING to +9 broad axe "Kosum" {antimagic,
                  | rC+}.
 37746 | D:14     | 37746 ||| SWAPPING to +6 heavy broad axe.
 37747 | D:14     | 37747 ||| SWAPPING to +9 broad axe "Kosum" {antimagic,
                  | rC+}.
 37748 | D:14     | 37748 ||| SWAPPING to +6 heavy broad axe.
 37749 | D:14     | 37749 ||| SWAPPING to +9 broad axe "Kosum" {antimagic,
                  | rC+}.
 37750 | D:14     | 37750 ||| SWAPPING to +6 heavy broad axe.
 37751 | D:14     | 37751 ||| SWAPPING to +9 broad axe "Kosum" {antimagic,
                  | rC+}.
 37752 | D:14     | 37752 ||| SWAPPING to +6 heavy broad axe.
 37753 | D:14     | 37753 ||| SWAPPING to +9 broad axe "Kosum" {antimagic,
                  | rC+}.
 37754 | D:14     | 37754 ||| SWAPPING to +6 heavy broad axe.
 37755 | D:14     | 37755 ||| SWAPPING to +9 broad axe "Kosum" {antimagic,
                  | rC+}.
 37756 | D:14     | 37756 ||| SWAPPING to +6 heavy broad axe.
 37757 | D:14     | 37757 ||| SWAPPING to +9 broad axe "Kosum" {antimagic,
                  | rC+}.
 37758 | D:14     | 37758 ||| SWAPPING to +6 heavy broad axe.
 37759 | D:14     | 37759 ||| SWAPPING to +9 broad axe "Kosum" {antimagic,
                  | rC+}.
 37760 | D:14     | 37760 ||| SWAPPING to +6 heavy broad axe.
 37761 | D:14     | 37761 ||| SWAPPING to +9 broad axe "Kosum" {antimagic,
                  | rC+}.
 37762 | D:14     | 37762 ||| SWAPPING to +6 heavy broad axe.
 37763 | D:14     | 37763 ||| SWAPPING to +9 broad axe "Kosum" {antimagic,
                  | rC+}.
 37764 | D:14     | 37764 ||| SWAPPING to +6 heavy broad axe.
 37765 | D:14     | 37765 ||| SWAPPING to +9 broad axe "Kosum" {antimagic,
                  | rC+}.
 37766 | D:14     | 37766 ||| SWAPPING to +6 heavy broad axe.
 37767 | D:14     | 37767 ||| SWAPPING to +9 broad axe "Kosum" {antimagic,
                  | rC+}.
 37768 | D:14     | 37768 ||| SWAPPING to +6 heavy broad axe.
 37769 | D:14     | 37769 ||| SWAPPING to +9 broad axe "Kosum" {antimagic,
                  | rC+}.
 37770 | D:14     | 37770 ||| SWAPPING to +6 heavy broad axe.
 37771 | D:14     | 37771 ||| SWAPPING to +9 broad axe "Kosum" {antimagic,
                  | rC+}.
 37772 | D:14     | 37772 ||| SWAPPING to +6 heavy broad axe.
 37773 | D:14     | 37773 ||| SWAPPING to +9 broad axe "Kosum" {antimagic,
                  | rC+}.
 37774 | D:14     | 37774 ||| SWAPPING to +6 heavy broad axe.
 37775 | D:14     | 37775 ||| SWAPPING to +9 broad axe "Kosum" {antimagic,
                  | rC+}.
 37776 | D:14     | 37776 ||| SWAPPING to +6 heavy broad axe.
 37777 | D:14     | 37777 ||| SWAPPING to +9 broad axe "Kosum" {antimagic,
                  | rC+}.
 37778 | D:14     | 37778 ||| SWAPPING to +6 heavy broad axe.
 37779 | D:14     | 37779 ||| SWAPPING to +9 broad axe "Kosum" {antimagic,
                  | rC+}.
 37780 | D:14     | 37780 ||| SWAPPING to +6 heavy broad axe.
 37781 | D:14     | 37781 ||| SWAPPING to +9 broad axe "Kosum" {antimagic,
                  | rC+}.
 37782 | D:14     | 37782 ||| SWAPPING to +6 heavy broad axe.
 37783 | D:14     | 37783 ||| SWAPPING to +9 broad axe "Kosum" {antimagic,
                  | rC+}.
 37784 | D:14     | 37784 ||| SWAPPING to +6 heavy broad axe.
 37785 | D:14     | 37785 ||| SWAPPING to +9 broad axe "Kosum" {antimagic,
                  | rC+}.
 37786 | D:14     | 37786 ||| SWAPPING to +6 heavy broad axe.
 37787 | D:14     | 37787 ||| SWAPPING to +9 broad axe "Kosum" {antimagic,
                  | rC+}.
 37788 | D:14     | 37788 ||| SWAPPING to +6 heavy broad axe.
 37789 | D:14     | 37789 ||| SWAPPING to +9 broad axe "Kosum" {antimagic,
                  | rC+}.
 37790 | D:14     | 37790 ||| SWAPPING to +6 heavy broad axe.
 37791 | D:14     | 37791 ||| SWAPPING to +9 broad axe "Kosum" {antimagic,
                  | rC+}.
 37792 | D:14     | 37792 ||| SWAPPING to +6 heavy broad axe.
 37793 | D:14     | 37793 ||| SWAPPING to +9 broad axe "Kosum" {antimagic,
                  | rC+}.
 37794 | D:14     | 37794 ||| SWAPPING to +6 heavy broad axe.
 37795 | D:14     | 37795 ||| SWAPPING to +9 broad axe "Kosum" {antimagic,
                  | rC+}.
 37796 | D:14     | 37796 ||| SWAPPING to +6 heavy broad axe.
 37797 | D:14     | 37797 ||| SWAPPING to +9 broad axe "Kosum" {antimagic,
                  | rC+}.
 37798 | D:14     | 37798 ||| SWAPPING to +6 heavy broad axe.
 37799 | D:14     | 37799 ||| SWAPPING to +9 broad axe "Kosum" {antimagic,
                  | rC+}.
 37800 | D:14     | 37800 ||| SWAPPING to +6 heavy broad axe.
 37801 | D:14     | 37801 ||| SWAPPING to +9 broad axe "Kosum" {antimagic,
                  | rC+}.
 37802 | D:14     | 37802 ||| SWAPPING to +6 heavy broad axe.
 37803 | D:14     | 37803 ||| SWAPPING to +9 broad axe "Kosum" {antimagic,
                  | rC+}.
 37804 | D:14     | 37804 ||| SWAPPING to +6 heavy broad axe.
 37805 | D:14     | 37805 ||| SWAPPING to +9 broad axe "Kosum" {antimagic,
                  | rC+}.
 37806 | D:14     | 37806 ||| SWAPPING to +6 heavy broad axe.
 37807 | D:14     | 37807 ||| SWAPPING to +9 broad axe "Kosum" {antimagic,
                  | rC+}.
 37808 | D:14     | 37808 ||| SWAPPING to +6 heavy broad axe.
 37809 | D:14     | 37809 ||| SWAPPING to +9 broad axe "Kosum" {antimagic,
                  | rC+}.
 37810 | D:14     | 37810 ||| SWAPPING to +6 heavy broad axe.
 37811 | D:14     | 37811 ||| SWAPPING to +9 broad axe "Kosum" {antimagic,
                  | rC+}.
 37812 | D:14     | 37812 ||| SWAPPING to +6 heavy broad axe.
 37813 | D:14     | 37813 ||| SWAPPING to +9 broad axe "Kosum" {antimagic,
                  | rC+}.
 37814 | D:14     | 37814 ||| SWAPPING to +6 heavy broad axe.
 37815 | D:14     | 37815 ||| SWAPPING to +9 broad axe "Kosum" {antimagic,
                  | rC+}.
 37816 | D:14     | 37816 ||| SWAPPING to +6 heavy broad axe.
 37817 | D:14     | 37817 ||| SWAPPING to +9 broad axe "Kosum" {antimagic,
                  | rC+}.
 37818 | D:14     | 37818 ||| SWAPPING to +6 heavy broad axe.
 37819 | D:14     | 37819 ||| SWAPPING to +9 broad axe "Kosum" {antimagic,
                  | rC+}.
 37820 | D:14     | 37820 ||| SWAPPING to +6 heavy broad axe.
 37821 | D:14     | 37821 ||| SWAPPING to +9 broad axe "Kosum" {antimagic,
                  | rC+}.
 37822 | D:14     | 37822 ||| SWAPPING to +6 heavy broad axe.
 37823 | D:14     | 37823 ||| SWAPPING to +9 broad axe "Kosum" {antimagic,
                  | rC+}.
 37824 | D:14     | 37824 ||| SWAPPING to +6 heavy broad axe.
 37825 | D:14     | 37825 ||| SWAPPING to +9 broad axe "Kosum" {antimagic,
                  | rC+}.
 37826 | D:14     | 37826 ||| SWAPPING to +6 heavy broad axe.
 37827 | D:14     | 37827 ||| SWAPPING to +9 broad axe "Kosum" {antimagic,
                  | rC+}.
 37828 | D:14     | 37828 ||| SWAPPING to +6 heavy broad axe.
 37829 | D:14     | 37829 ||| SWAPPING to +9 broad axe "Kosum" {antimagic,
                  | rC+}.
 37830 | D:14     | 37830 ||| SWAPPING to +6 heavy broad axe.
 37831 | D:14     | 37831 ||| SWAPPING to +9 broad axe "Kosum" {antimagic,
                  | rC+}.
 37832 | D:14     | 37832 ||| SWAPPING to +6 heavy broad axe.
 37833 | D:14     | 37833 ||| SWAPPING to +9 broad axe "Kosum" {antimagic,
                  | rC+}.
 37834 | D:14     | 37834 ||| SWAPPING to +6 heavy broad axe.
 37835 | D:14     | 37835 ||| SWAPPING to +9 broad axe "Kosum" {antimagic,
                  | rC+}.
 37836 | D:14     | 37836 ||| SWAPPING to +6 heavy broad axe.
 37837 | D:14     | 37837 ||| SWAPPING to +9 broad axe "Kosum" {antimagic,
                  | rC+}.
 37838 | D:14     | 37838 ||| SWAPPING to +6 heavy broad axe.
 37839 | D:14     | 37839 ||| SWAPPING to +9 broad axe "Kosum" {antimagic,
                  | rC+}.
 37840 | D:14     | 37840 ||| SWAPPING to +6 heavy broad axe.
 37841 | D:14     | 37841 ||| SWAPPING to +9 broad axe "Kosum" {antimagic,
                  | rC+}.
 37842 | D:14     | 37842 ||| SWAPPING to +6 heavy broad axe.
 37843 | D:14     | 37843 ||| SWAPPING to +9 broad axe "Kosum" {antimagic,
                  | rC+}.
 37844 | D:14     | 37844 ||| SWAPPING to +6 heavy broad axe.
 37845 | D:14     | 37845 ||| SWAPPING to +9 broad axe "Kosum" {antimagic,
                  | rC+}.
 37846 | D:14     | 37846 ||| SWAPPING to +6 heavy broad axe.
 37847 | D:14     | 37847 ||| SWAPPING to +9 broad axe "Kosum" {antimagic,
                  | rC+}.
 37848 | D:14     | 37848 ||| SWAPPING to +6 heavy broad axe.
 37849 | D:14     | 37849 ||| SWAPPING to +9 broad axe "Kosum" {antimagic,
                  | rC+}.
 37850 | D:14     | 37850 ||| SWAPPING to +6 heavy broad axe.
 37851 | D:14     | 37851 ||| SWAPPING to +9 broad axe "Kosum" {antimagic,
                  | rC+}.
 37852 | D:14     | 37852 ||| SWAPPING to +6 heavy broad axe.
 37853 | D:14     | 37853 ||| SWAPPING to +9 broad axe "Kosum" {antimagic,
                  | rC+}.
 37854 | D:14     | 37854 ||| SWAPPING to +6 heavy broad axe.
 37855 | D:14     | 37855 ||| SWAPPING to +9 broad axe "Kosum" {antimagic,
                  | rC+}.
 37856 | D:14     | 37856 ||| SWAPPING to +6 heavy broad axe.
 37857 | D:14     | 37857 ||| SWAPPING to +9 broad axe "Kosum" {antimagic,
                  | rC+}.
 37858 | D:14     | 37858 ||| SWAPPING to +6 heavy broad axe.
 37859 | D:14     | 37859 ||| SWAPPING to +9 broad axe "Kosum" {antimagic,
                  | rC+}.
 37860 | D:14     | 37860 ||| SWAPPING to +6 heavy broad axe.
 37861 | D:14     | 37861 ||| SWAPPING to +9 broad axe "Kosum" {antimagic,
                  | rC+}.
 37862 | D:14     | 37862 ||| SWAPPING to +6 heavy broad axe.
 37863 | D:14     | 37863 ||| SWAPPING to +9 broad axe "Kosum" {antimagic,
                  | rC+}.
 37864 | D:14     | 37864 ||| SWAPPING to +6 heavy broad axe.
 37865 | D:14     | 37865 ||| SWAPPING to +9 broad axe "Kosum" {antimagic,
                  | rC+}.
 37866 | D:14     | 37866 ||| SWAPPING to +6 heavy broad axe.
 37867 | D:14     | 37867 ||| SWAPPING to +9 broad axe "Kosum" {antimagic,
                  | rC+}.
 37868 | D:14     | 37868 ||| SWAPPING to +6 heavy broad axe.
 37869 | D:14     | 37869 ||| SWAPPING to +9 broad axe "Kosum" {antimagic,
                  | rC+}.
 37870 | D:14     | 37870 ||| SWAPPING to +6 heavy broad axe.
 37871 | D:14     | 37871 ||| SWAPPING to +9 broad axe "Kosum" {antimagic,
                  | rC+}.
 37872 | D:14     | 37872 ||| SWAPPING to +6 heavy broad axe.
 37873 | D:14     | 37873 ||| SWAPPING to +9 broad axe "Kosum" {antimagic,
                  | rC+}.
 37874 | D:14     | 37874 ||| SWAPPING to +6 heavy broad axe.
 37875 | D:14     | 37875 ||| SWAPPING to +9 broad axe "Kosum" {antimagic,
                  | rC+}.
 37876 | D:14     | 37876 ||| SWAPPING to +6 heavy broad axe.
 37877 | D:14     | 37877 ||| SWAPPING to +9 broad axe "Kosum" {antimagic,
                  | rC+}.
 37878 | D:14     | 37878 ||| SWAPPING to +6 heavy broad axe.
 37879 | D:14     | 37879 ||| SWAPPING to +9 broad axe "Kosum" {antimagic,
                  | rC+}.
 37880 | D:14     | 37880 ||| SWAPPING to +6 heavy broad axe.
 37881 | D:14     | 37881 ||| SWAPPING to +9 broad axe "Kosum" {antimagic,
                  | rC+}.
 37882 | D:14     | 37882 ||| SWAPPING to +6 heavy broad axe.
 37883 | D:14     | 37883 ||| SWAPPING to +9 broad axe "Kosum" {antimagic,
                  | rC+}.
 37884 | D:14     | 37884 ||| SWAPPING to +6 heavy broad axe.
 37885 | D:14     | 37885 ||| SWAPPING to +9 broad axe "Kosum" {antimagic,
                  | rC+}.
 37886 | D:14     | 37886 ||| SWAPPING to +6 heavy broad axe.
 37887 | D:14     | 37887 ||| SWAPPING to +9 broad axe "Kosum" {antimagic,
                  | rC+}.
 37888 | D:14     | 37888 ||| SWAPPING to +6 heavy broad axe.
 37889 | D:14     | 37889 ||| SWAPPING to +9 broad axe "Kosum" {antimagic,
                  | rC+}.
 37890 | D:14     | 37890 ||| SWAPPING to +6 heavy broad axe.
 37891 | D:14     | 37891 ||| SWAPPING to +9 broad axe "Kosum" {antimagic,
                  | rC+}.
 37892 | D:14     | 37892 ||| SWAPPING to +6 heavy broad axe.
 37893 | D:14     | 37893 ||| SWAPPING to +9 broad axe "Kosum" {antimagic,
                  | rC+}.
 37894 | D:14     | 37894 ||| SWAPPING to +6 heavy broad axe.
 37895 | D:14     | 37895 ||| SWAPPING to +9 broad axe "Kosum" {antimagic,
                  | rC+}.
 37896 | D:14     | 37896 ||| SWAPPING to +6 heavy broad axe.
 37897 | D:14     | 37897 ||| SWAPPING to +9 broad axe "Kosum" {antimagic,
                  | rC+}.
 37898 | D:14     | 37898 ||| SWAPPING to +6 heavy broad axe.
 37899 | D:14     | 37899 ||| SWAPPING to +9 broad axe "Kosum" {antimagic,
                  | rC+}.
 37900 | D:14     | 37900 ||| SWAPPING to +6 heavy broad axe.
 37901 | D:14     | 37901 ||| SWAPPING to +9 broad axe "Kosum" {antimagic,
                  | rC+}.
 37902 | D:14     | 37902 ||| SWAPPING to +6 heavy broad axe.
 37903 | D:14     | 37903 ||| SWAPPING to +9 broad axe "Kosum" {antimagic,
                  | rC+}.
 37904 | D:14     | 37904 ||| SWAPPING to +6 heavy broad axe.
 37905 | D:14     | 37905 ||| SWAPPING to +9 broad axe "Kosum" {antimagic,
                  | rC+}.
 37906 | D:14     | 37906 ||| SWAPPING to +6 heavy broad axe.
 37907 | D:14     | 37907 ||| SWAPPING to +9 broad axe "Kosum" {antimagic,
                  | rC+}.
 37908 | D:14     | 37908 ||| SWAPPING to +6 heavy broad axe.
 37909 | D:14     | 37909 ||| SWAPPING to +9 broad axe "Kosum" {antimagic,
                  | rC+}.
 37910 | D:14     | 37910 ||| SWAPPING to +6 heavy broad axe.
 37911 | D:14     | 37911 ||| SWAPPING to +9 broad axe "Kosum" {antimagic,
                  | rC+}.
 37912 | D:14     | 37912 ||| SWAPPING to +6 heavy broad axe.
 37913 | D:14     | 37913 ||| SWAPPING to +9 broad axe "Kosum" {antimagic,
                  | rC+}.
 37914 | D:14     | 37914 ||| SWAPPING to +6 heavy broad axe.
 37915 | D:14     | 37915 ||| SWAPPING to +9 broad axe "Kosum" {antimagic,
                  | rC+}.
 37916 | D:14     | 37916 ||| SWAPPING to +6 heavy broad axe.
 37917 | D:14     | 37917 ||| SWAPPING to +9 broad axe "Kosum" {antimagic,
                  | rC+}.
 37918 | D:14     | 37918 ||| SWAPPING to +6 heavy broad axe.
 37919 | D:14     | 37919 ||| SWAPPING to +9 broad axe "Kosum" {antimagic,
                  | rC+}.
 37920 | D:14     | 37920 ||| SWAPPING to +6 heavy broad axe.
 37921 | D:14     | 37921 ||| SWAPPING to +9 broad axe "Kosum" {antimagic,
                  | rC+}.
 37922 | D:14     | 37922 ||| SWAPPING to +6 heavy broad axe.
 37923 | D:14     | 37923 ||| SWAPPING to +9 broad axe "Kosum" {antimagic,
                  | rC+}.
 37924 | D:14     | 37924 ||| SWAPPING to +6 heavy broad axe.
 37925 | D:14     | 37925 ||| SWAPPING to +9 broad axe "Kosum" {antimagic,
                  | rC+}.
 37926 | D:14     | 37926 ||| SWAPPING to +6 heavy broad axe.
 37927 | D:14     | 37927 ||| SWAPPING to +9 broad axe "Kosum" {antimagic,
                  | rC+}.
 37928 | D:14     | 37928 ||| SWAPPING to +6 heavy broad axe.
 37929 | D:14     | 37929 ||| SWAPPING to +9 broad axe "Kosum" {antimagic,
                  | rC+}.
 37930 | D:14     | 37930 ||| SWAPPING to +6 heavy broad axe.
 37931 | D:14     | 37931 ||| SWAPPING to +9 broad axe "Kosum" {antimagic,
                  | rC+}.
 37932 | D:14     | 37932 ||| SWAPPING to +6 heavy broad axe.
 37933 | D:14     | 37933 ||| SWAPPING to +9 broad axe "Kosum" {antimagic,
                  | rC+}.
 37934 | D:14     | 37934 ||| SWAPPING to +6 heavy broad axe.
 37935 | D:14     | 37935 ||| SWAPPING to +9 broad axe "Kosum" {antimagic,
                  | rC+}.
 37936 | D:14     | 37936 ||| SWAPPING to +6 heavy broad axe.
 37937 | D:14     | 37937 ||| SWAPPING to +9 broad axe "Kosum" {antimagic,
                  | rC+}.
 37938 | D:14     | 37938 ||| SWAPPING to +6 heavy broad axe.
 37939 | D:14     | 37939 ||| SWAPPING to +9 broad axe "Kosum" {antimagic,
                  | rC+}.
 37940 | D:14     | 37940 ||| SWAPPING to +6 heavy broad axe.
 37941 | D:14     | 37941 ||| SWAPPING to +9 broad axe "Kosum" {antimagic,
                  | rC+}.
 37942 | D:14     | 37942 ||| SWAPPING to +6 heavy broad axe.
 37943 | D:14     | 37943 ||| SWAPPING to +9 broad axe "Kosum" {antimagic,
                  | rC+}.
 37944 | D:14     | 37944 ||| SWAPPING to +6 heavy broad axe.
 37945 | D:14     | 37945 ||| SWAPPING to +9 broad axe "Kosum" {antimagic,
                  | rC+}.
 37946 | D:14     | 37946 ||| SWAPPING to +6 heavy broad axe.
 37947 | D:14     | 37947 ||| SWAPPING to +9 broad axe "Kosum" {antimagic,
                  | rC+}.
 37948 | D:14     | 37948 ||| SWAPPING to +6 heavy broad axe.
 37949 | D:14     | 37949 ||| SWAPPING to +9 broad axe "Kosum" {antimagic,
                  | rC+}.
 37950 | D:14     | 37950 ||| SWAPPING to +6 heavy broad axe.
 37951 | D:14     | 37951 ||| SWAPPING to +9 broad axe "Kosum" {antimagic,
                  | rC+}.
 37952 | D:14     | 37952 ||| SWAPPING to +6 heavy broad axe.
 37953 | D:14     | 37953 ||| SWAPPING to +9 broad axe "Kosum" {antimagic,
                  | rC+}.
 37954 | D:14     | 37954 ||| SWAPPING to +6 heavy broad axe.
 37955 | D:14     | 37955 ||| SWAPPING to +9 broad axe "Kosum" {antimagic,
                  | rC+}.
 37956 | D:14     | 37956 ||| SWAPPING to +6 heavy broad axe.
 37957 | D:14     | 37957 ||| SWAPPING to +9 broad axe "Kosum" {antimagic,
                  | rC+}.
 37958 | D:14     | 37958 ||| SWAPPING to +6 heavy broad axe.
 37959 | D:14     | 37959 ||| SWAPPING to +9 broad axe "Kosum" {antimagic,
                  | rC+}.
 37960 | D:14     | 37960 ||| SWAPPING to +6 heavy broad axe.
 37961 | D:14     | 37961 ||| SWAPPING to +9 broad axe "Kosum" {antimagic,
                  | rC+}.
 37962 | D:14     | 37962 ||| SWAPPING to +6 heavy broad axe.
 37963 | D:14     | 37963 ||| SWAPPING to +9 broad axe "Kosum" {antimagic,
                  | rC+}.
 37964 | D:14     | 37964 ||| SWAPPING to +6 heavy broad axe.
 37965 | D:14     | 37965 ||| SWAPPING to +9 broad axe "Kosum" {antimagic,
                  | rC+}.
 37966 | D:14     | 37966 ||| SWAPPING to +6 heavy broad axe.
 37967 | D:14     | 37967 ||| SWAPPING to +9 broad axe "Kosum" {antimagic,
                  | rC+}.
 37968 | D:14     | 37968 ||| SWAPPING to +6 heavy broad axe.
 37969 | D:14     | 37969 ||| SWAPPING to +9 broad axe "Kosum" {antimagic,
                  | rC+}.
 37970 | D:14     | 37970 ||| SWAPPING to +6 heavy broad axe.
 37971 | D:14     | 37971 ||| SWAPPING to +9 broad axe "Kosum" {antimagic,
                  | rC+}.
 37972 | D:14     | 37972 ||| SWAPPING to +6 heavy broad axe.
 37973 | D:14     | 37973 ||| SWAPPING to +9 broad axe "Kosum" {antimagic,
                  | rC+}.
 37974 | D:14     | 37974 ||| SWAPPING to +6 heavy broad axe.
 37975 | D:14     | 37975 ||| SWAPPING to +9 broad axe "Kosum" {antimagic,
                  | rC+}.
 37976 | D:14     | 37976 ||| SWAPPING to +6 heavy broad axe.
 37977 | D:14     | 37977 ||| SWAPPING to +9 broad axe "Kosum" {antimagic,
                  | rC+}.
 37978 | D:14     | 37978 ||| SWAPPING to +6 heavy broad axe.
 37979 | D:14     | 37979 ||| SWAPPING to +9 broad axe "Kosum" {antimagic,
                  | rC+}.
 37980 | D:14     | 37980 ||| SWAPPING to +6 heavy broad axe.
 37981 | D:14     | 37981 ||| SWAPPING to +9 broad axe "Kosum" {antimagic,
                  | rC+}.
 37982 | D:14     | 37982 ||| SWAPPING to +6 heavy broad axe.
 37983 | D:14     | 37983 ||| SWAPPING to +9 broad axe "Kosum" {antimagic,
                  | rC+}.
 37984 | D:14     | 37984 ||| SWAPPING to +6 heavy broad axe.
 37985 | D:14     | 37985 ||| SWAPPING to +9 broad axe "Kosum" {antimagic,
                  | rC+}.
 37986 | D:14     | 37986 ||| SWAPPING to +6 heavy broad axe.
 37987 | D:14     | 37987 ||| SWAPPING to +9 broad axe "Kosum" {antimagic,
                  | rC+}.
 37988 | D:14     | 37988 ||| SWAPPING to +6 heavy broad axe.
 37989 | D:14     | 37989 ||| SWAPPING to +9 broad axe "Kosum" {antimagic,
                  | rC+}.
 37990 | D:14     | 37990 ||| SWAPPING to +6 heavy broad axe.
 37991 | D:14     | 37991 ||| SWAPPING to +9 broad axe "Kosum" {antimagic,
                  | rC+}.
 37992 | D:14     | 37992 ||| SWAPPING to +6 heavy broad axe.
 37993 | D:14     | 37993 ||| SWAPPING to +9 broad axe "Kosum" {antimagic,
                  | rC+}.
 37994 | D:14     | 37994 ||| SWAPPING to +6 heavy broad axe.
 37995 | D:14     | 37995 ||| SWAPPING to +9 broad axe "Kosum" {antimagic,
                  | rC+}.
 37996 | D:14     | 37996 ||| SWAPPING to +6 heavy broad axe.
 37997 | D:14     | 37997 ||| SWAPPING to +9 broad axe "Kosum" {antimagic,
                  | rC+}.
 37998 | D:14     | 37998 ||| SWAPPING to +6 heavy broad axe.
 37999 | D:14     | 37999 ||| SWAPPING to +9 broad axe "Kosum" {antimagic,
                  | rC+}.
 38000 | D:14     | 38000 ||| SWAPPING to +6 heavy broad axe.
 38001 | D:14     | 38001 ||| SWAPPING to +9 broad axe "Kosum" {antimagic,
                  | rC+}.
 38002 | D:14     | 38002 ||| SWAPPING to +6 heavy broad axe.
 38003 | D:14     | 38003 ||| SWAPPING to +9 broad axe "Kosum" {antimagic,
                  | rC+}.
 38004 | D:14     | 38004 ||| SWAPPING to +6 heavy broad axe.
 38005 | D:14     | 38005 ||| SWAPPING to +9 broad axe "Kosum" {antimagic,
                  | rC+}.
 38006 | D:14     | 38006 ||| SWAPPING to +6 heavy broad axe.
 38007 | D:14     | 38007 ||| SWAPPING to +9 broad axe "Kosum" {antimagic,
                  | rC+}.
 38008 | D:14     | 38008 ||| SWAPPING to +6 heavy broad axe.
 38009 | D:14     | 38009 ||| SWAPPING to +9 broad axe "Kosum" {antimagic,
                  | rC+}.
 38010 | D:14     | 38010 ||| SWAPPING to +6 heavy broad axe.
 38011 | D:14     | 38011 ||| SWAPPING to +9 broad axe "Kosum" {antimagic,
                  | rC+}.
 38012 | D:14     | 38012 ||| SWAPPING to +6 heavy broad axe.
 38013 | D:14     | 38013 ||| SWAPPING to +9 broad axe "Kosum" {antimagic,
                  | rC+}.
 38014 | D:14     | 38014 ||| SWAPPING to +6 heavy broad axe.
 38015 | D:14     | 38015 ||| SWAPPING to +9 broad axe "Kosum" {antimagic,
                  | rC+}.
 38016 | D:14     | 38016 ||| SWAPPING to +6 heavy broad axe.
 38017 | D:14     | 38017 ||| SWAPPING to +9 broad axe "Kosum" {antimagic,
                  | rC+}.
 38018 | D:14     | 38018 ||| SWAPPING to +6 heavy broad axe.
 38019 | D:14     | 38019 ||| SWAPPING to +9 broad axe "Kosum" {antimagic,
                  | rC+}.
 38020 | D:14     | 38020 ||| SWAPPING to +6 heavy broad axe.
 38021 | D:14     | 38021 ||| SWAPPING to +9 broad axe "Kosum" {antimagic,
                  | rC+}.
 38022 | D:14     | 38022 ||| SWAPPING to +6 heavy broad axe.
 38023 | D:14     | 38023 ||| SWAPPING to +9 broad axe "Kosum" {antimagic,
                  | rC+}.
 38024 | D:14     | 38024 ||| SWAPPING to +6 heavy broad axe.
 38025 | D:14     | 38025 ||| SWAPPING to +9 broad axe "Kosum" {antimagic,
                  | rC+}.
 38026 | D:14     | 38026 ||| SWAPPING to +6 heavy broad axe.
 38027 | D:14     | 38027 ||| SWAPPING to +9 broad axe "Kosum" {antimagic,
                  | rC+}.
 38028 | D:14     | 38028 ||| SWAPPING to +6 heavy broad axe.
 38029 | D:14     | 38029 ||| SWAPPING to +9 broad axe "Kosum" {antimagic,
                  | rC+}.
 38030 | D:14     | 38030 ||| SWAPPING to +6 heavy broad axe.
 38031 | D:14     | 38031 ||| SWAPPING to +9 broad axe "Kosum" {antimagic,
                  | rC+}.
 38032 | D:14     | 38032 ||| SWAPPING to +6 heavy broad axe.
 38033 | D:14     | 38033 ||| SWAPPING to +9 broad axe "Kosum" {antimagic,
                  | rC+}.
 38034 | D:14     | 38034 ||| SWAPPING to +6 heavy broad axe.
 38035 | D:14     | 38035 ||| SWAPPING to +9 broad axe "Kosum" {antimagic,
                  | rC+}.
 38036 | D:14     | 38036 ||| SWAPPING to +6 heavy broad axe.
 38037 | D:14     | 38037 ||| SWAPPING to +9 broad axe "Kosum" {antimagic,
                  | rC+}.
 38038 | D:14     | 38038 ||| SWAPPING to +6 heavy broad axe.
 38039 | D:14     | 38039 ||| SWAPPING to +9 broad axe "Kosum" {antimagic,
                  | rC+}.
 38040 | D:14     | 38040 ||| SWAPPING to +6 heavy broad axe.
 38041 | D:14     | 38041 ||| SWAPPING to +9 broad axe "Kosum" {antimagic,
                  | rC+}.
 38042 | D:14     | 38042 ||| SWAPPING to +6 heavy broad axe.
 38043 | D:14     | 38043 ||| SWAPPING to +9 broad axe "Kosum" {antimagic,
                  | rC+}.
 38044 | D:14     | 38044 ||| SWAPPING to +6 heavy broad axe.
 38045 | D:14     | 38045 ||| SWAPPING to +9 broad axe "Kosum" {antimagic,
                  | rC+}.
 38046 | D:14     | 38046 ||| SWAPPING to +6 heavy broad axe.
 38047 | D:14     | 38047 ||| SWAPPING to +9 broad axe "Kosum" {antimagic,
                  | rC+}.
 38048 | D:14     | 38048 ||| SWAPPING to +6 heavy broad axe.
 38049 | D:14     | 38049 ||| SWAPPING to +9 broad axe "Kosum" {antimagic,
                  | rC+}.
 38050 | D:14     | 38050 ||| SWAPPING to +6 heavy broad axe.
 38051 | D:14     | 38051 ||| SWAPPING to +9 broad axe "Kosum" {antimagic,
                  | rC+}.
 38052 | D:14     | 38052 ||| SWAPPING to +6 heavy broad axe.
 38053 | D:14     | 38053 ||| SWAPPING to +9 broad axe "Kosum" {antimagic,
                  | rC+}.
 38054 | D:14     | 38054 ||| SWAPPING to +6 heavy broad axe.
 38055 | D:14     | 38055 ||| SWAPPING to +9 broad axe "Kosum" {antimagic,
                  | rC+}.
 38056 | D:14     | 38056 ||| SWAPPING to +6 heavy broad axe.
 38057 | D:14     | 38057 ||| SWAPPING to +9 broad axe "Kosum" {antimagic,
                  | rC+}.
 38058 | D:14     | 38058 ||| SWAPPING to +6 heavy broad axe.
 38059 | D:14     | 38059 ||| SWAPPING to +9 broad axe "Kosum" {antimagic,
                  | rC+}.
 38060 | D:14     | 38060 ||| SWAPPING to +6 heavy broad axe.
 38061 | D:14     | 38061 ||| SWAPPING to +9 broad axe "Kosum" {antimagic,
                  | rC+}.
 38062 | D:14     | 38062 ||| SWAPPING to +6 heavy broad axe.
 38063 | D:14     | 38063 ||| SWAPPING to +9 broad axe "Kosum" {antimagic,
                  | rC+}.
 38064 | D:14     | 38064 ||| SWAPPING to +6 heavy broad axe.
 38065 | D:14     | 38065 ||| SWAPPING to +9 broad axe "Kosum" {antimagic,
                  | rC+}.
 38066 | D:14     | 38066 ||| SWAPPING to +6 heavy broad axe.
 38067 | D:14     | 38067 ||| SWAPPING to +9 broad axe "Kosum" {antimagic,
                  | rC+}.
 38068 | D:14     | 38068 ||| SWAPPING to +6 heavy broad axe.
 38069 | D:14     | 38069 ||| SWAPPING to +9 broad axe "Kosum" {antimagic,
                  | rC+}.
 38070 | D:14     | 38070 ||| SWAPPING to +6 heavy broad axe.
 38071 | D:14     | 38071 ||| SWAPPING to +9 broad axe "Kosum" {antimagic,
                  | rC+}.
 38072 | D:14     | 38072 ||| SWAPPING to +6 heavy broad axe.
 38073 | D:14     | 38073 ||| SWAPPING to +9 broad axe "Kosum" {antimagic,
                  | rC+}.
 38074 | D:14     | 38074 ||| SWAPPING to +6 heavy broad axe.
 38075 | D:14     | 38075 ||| SWAPPING to +9 broad axe "Kosum" {antimagic,
                  | rC+}.
 38076 | D:14     | 38076 ||| SWAPPING to +6 heavy broad axe.
 38077 | D:14     | 38077 ||| SWAPPING to +9 broad axe "Kosum" {antimagic,
                  | rC+}.
 38078 | D:14     | 38078 ||| SWAPPING to +6 heavy broad axe.
 38079 | D:14     | 38079 ||| SWAPPING to +9 broad axe "Kosum" {antimagic,
                  | rC+}.
 38080 | D:14     | 38080 ||| SWAPPING to +6 heavy broad axe.
 38081 | D:14     | 38081 ||| SWAPPING to +9 broad axe "Kosum" {antimagic,
                  | rC+}.
 38082 | D:14     | 38082 ||| SWAPPING to +6 heavy broad axe.
 38083 | D:14     | 38083 ||| SWAPPING to +9 broad axe "Kosum" {antimagic,
                  | rC+}.
 38084 | D:14     | 38084 ||| SWAPPING to +6 heavy broad axe.
 38085 | D:14     | 38085 ||| SWAPPING to +9 broad axe "Kosum" {antimagic,
                  | rC+}.
 38086 | D:14     | 38086 ||| SWAPPING to +6 heavy broad axe.
 38087 | D:14     | 38087 ||| SWAPPING to +9 broad axe "Kosum" {antimagic,
                  | rC+}.
 38088 | D:14     | 38088 ||| SWAPPING to +6 heavy broad axe.
 38089 | D:14     | 38089 ||| SWAPPING to +9 broad axe "Kosum" {antimagic,
                  | rC+}.
 38090 | D:14     | 38090 ||| SWAPPING to +6 heavy broad axe.
 38091 | D:14     | 38091 ||| SWAPPING to +9 broad axe "Kosum" {antimagic,
                  | rC+}.
 38092 | D:14     | 38092 ||| SWAPPING to +6 heavy broad axe.
 38093 | D:14     | 38093 ||| SWAPPING to +9 broad axe "Kosum" {antimagic,
                  | rC+}.
 38094 | D:14     | 38094 ||| SWAPPING to +6 heavy broad axe.
 38095 | D:14     | 38095 ||| SWAPPING to +9 broad axe "Kosum" {antimagic,
                  | rC+}.
 38096 | D:14     | 38096 ||| SWAPPING to +6 heavy broad axe.
 38097 | D:14     | 38097 ||| SWAPPING to +9 broad axe "Kosum" {antimagic,
                  | rC+}.
 38098 | D:14     | 38098 ||| SWAPPING to +6 heavy broad axe.
 38099 | D:14     | 38099 ||| SWAPPING to +9 broad axe "Kosum" {antimagic,
                  | rC+}.
 38100 | D:14     | 38100 ||| SWAPPING to +6 heavy broad axe.
 38101 | D:14     | 38101 ||| SWAPPING to +9 broad axe "Kosum" {antimagic,
                  | rC+}.
 38102 | D:14     | 38102 ||| SWAPPING to +6 heavy broad axe.
 38103 | D:14     | 38103 ||| SWAPPING to +9 broad axe "Kosum" {antimagic,
                  | rC+}.
 38104 | D:14     | 38104 ||| SWAPPING to +6 heavy broad axe.
 38105 | D:14     | 38105 ||| SWAPPING to +9 broad axe "Kosum" {antimagic,
                  | rC+}.
 38106 | D:14     | 38106 ||| SWAPPING to +6 heavy broad axe.
 38107 | D:14     | 38107 ||| SWAPPING to +9 broad axe "Kosum" {antimagic,
                  | rC+}.
 38108 | D:14     | 38108 ||| SWAPPING to +6 heavy broad axe.
 38109 | D:14     | 38109 ||| SWAPPING to +9 broad axe "Kosum" {antimagic,
                  | rC+}.
 38110 | D:14     | 38110 ||| SWAPPING to +6 heavy broad axe.
 38111 | D:14     | 38111 ||| SWAPPING to +9 broad axe "Kosum" {antimagic,
                  | rC+}.
 38112 | D:14     | 38112 ||| SWAPPING to +6 heavy broad axe.
 38113 | D:14     | 38113 ||| SWAPPING to +9 broad axe "Kosum" {antimagic,
                  | rC+}.
 38114 | D:14     | 38114 ||| SWAPPING to +6 heavy broad axe.
 38115 | D:14     | 38115 ||| SWAPPING to +9 broad axe "Kosum" {antimagic,
                  | rC+}.
 38116 | D:14     | 38116 ||| SWAPPING to +6 heavy broad axe.
 38117 | D:14     | 38117 ||| SWAPPING to +9 broad axe "Kosum" {antimagic,
                  | rC+}.
 38118 | D:14     | 38118 ||| SWAPPING to +6 heavy broad axe.
 38119 | D:14     | 38119 ||| SWAPPING to +9 broad axe "Kosum" {antimagic,
                  | rC+}.
 38120 | D:14     | 38120 ||| SWAPPING to +6 heavy broad axe.
 38121 | D:14     | 38121 ||| SWAPPING to +9 broad axe "Kosum" {antimagic,
                  | rC+}.
 38122 | D:14     | 38122 ||| SWAPPING to +6 heavy broad axe.
 38123 | D:14     | 38123 ||| SWAPPING to +9 broad axe "Kosum" {antimagic,
                  | rC+}.
 38124 | D:14     | 38124 ||| SWAPPING to +6 heavy broad axe.
 38125 | D:14     | 38125 ||| SWAPPING to +9 broad axe "Kosum" {antimagic,
                  | rC+}.
 38126 | D:14     | 38126 ||| SWAPPING to +6 heavy broad axe.
 38127 | D:14     | 38127 ||| SWAPPING to +9 broad axe "Kosum" {antimagic,
                  | rC+}.
 38128 | D:14     | 38128 ||| SWAPPING to +6 heavy broad axe.
 38129 | D:14     | 38129 ||| SWAPPING to +9 broad axe "Kosum" {antimagic,
                  | rC+}.
 38130 | D:14     | 38130 ||| SWAPPING to +6 heavy broad axe.
 38131 | D:14     | 38131 ||| SWAPPING to +9 broad axe "Kosum" {antimagic,
                  | rC+}.
 38132 | D:14     | 38132 ||| SWAPPING to +6 heavy broad axe.
 38133 | D:14     | 38133 ||| SWAPPING to +9 broad axe "Kosum" {antimagic,
                  | rC+}.
 38134 | D:14     | 38134 ||| SWAPPING to +6 heavy broad axe.
 38135 | D:14     | 38135 ||| SWAPPING to +9 broad axe "Kosum" {antimagic,
                  | rC+}.
 38136 | D:14     | 38136 ||| SWAPPING to +6 heavy broad axe.
 38137 | D:14     | 38137 ||| SWAPPING to +9 broad axe "Kosum" {antimagic,
                  | rC+}.
 38138 | D:14     | 38138 ||| SWAPPING to +6 heavy broad axe.
 38139 | D:14     | 38139 ||| SWAPPING to +9 broad axe "Kosum" {antimagic,
                  | rC+}.
 38140 | D:14     | 38140 ||| SWAPPING to +6 heavy broad axe.
 38141 | D:14     | 38141 ||| SWAPPING to +9 broad axe "Kosum" {antimagic,
                  | rC+}.
 38142 | D:14     | 38142 ||| SWAPPING to +6 heavy broad axe.
 38143 | D:14     | 38143 ||| SWAPPING to +9 broad axe "Kosum" {antimagic,
                  | rC+}.
 38144 | D:14     | 38144 ||| SWAPPING to +6 heavy broad axe.
 38145 | D:14     | 38145 ||| SWAPPING to +9 broad axe "Kosum" {antimagic,
                  | rC+}.
 38146 | D:14     | 38146 ||| SWAPPING to +6 heavy broad axe.
 38147 | D:14     | 38147 ||| SWAPPING to +9 broad axe "Kosum" {antimagic,
                  | rC+}.
 38148 | D:14     | 38148 ||| SWAPPING to +6 heavy broad axe.
 38149 | D:14     | 38149 ||| SWAPPING to +9 broad axe "Kosum" {antimagic,
                  | rC+}.
 38150 | D:14     | 38150 ||| SWAPPING to +6 heavy broad axe.
 38151 | D:14     | 38151 ||| SWAPPING to +9 broad axe "Kosum" {antimagic,
                  | rC+}.
 38152 | D:14     | 38152 ||| SWAPPING to +6 heavy broad axe.
 38153 | D:14     | 38153 ||| SWAPPING to +9 broad axe "Kosum" {antimagic,
                  | rC+}.
 38154 | D:14     | 38154 ||| SWAPPING to +6 heavy broad axe.
 38155 | D:14     | 38155 ||| SWAPPING to +9 broad axe "Kosum" {antimagic,
                  | rC+}.
 38156 | D:14     | 38156 ||| SWAPPING to +6 heavy broad axe.
 38157 | D:14     | 38157 ||| SWAPPING to +9 broad axe "Kosum" {antimagic,
                  | rC+}.
 38158 | D:14     | 38158 ||| SWAPPING to +6 heavy broad axe.
 38159 | D:14     | 38159 ||| SWAPPING to +9 broad axe "Kosum" {antimagic,
                  | rC+}.
 38160 | D:14     | 38160 ||| SWAPPING to +6 heavy broad axe.
 38161 | D:14     | 38161 ||| SWAPPING to +9 broad axe "Kosum" {antimagic,
                  | rC+}.
 38162 | D:14     | 38162 ||| SWAPPING to +6 heavy broad axe.
 38163 | D:14     | 38163 ||| SWAPPING to +9 broad axe "Kosum" {antimagic,
                  | rC+}.
 38164 | D:14     | 38164 ||| SWAPPING to +6 heavy broad axe.
 38165 | D:14     | 38165 ||| SWAPPING to +9 broad axe "Kosum" {antimagic,
                  | rC+}.
 38166 | D:14     | 38166 ||| SWAPPING to +6 heavy broad axe.
 38167 | D:14     | 38167 ||| SWAPPING to +9 broad axe "Kosum" {antimagic,
                  | rC+}.
 38168 | D:14     | 38168 ||| SWAPPING to +6 heavy broad axe.
 38169 | D:14     | 38169 ||| SWAPPING to +9 broad axe "Kosum" {antimagic,
                  | rC+}.
 38170 | D:14     | 38170 ||| SWAPPING to +6 heavy broad axe.
 38171 | D:14     | 38171 ||| SWAPPING to +9 broad axe "Kosum" {antimagic,
                  | rC+}.
 38172 | D:14     | 38172 ||| SWAPPING to +6 heavy broad axe.
 38173 | D:14     | 38173 ||| SWAPPING to +9 broad axe "Kosum" {antimagic,
                  | rC+}.
 38174 | D:14     | 38174 ||| SWAPPING to +6 heavy broad axe.
 38175 | D:14     | 38175 ||| SWAPPING to +9 broad axe "Kosum" {antimagic,
                  | rC+}.
 38176 | D:14     | 38176 ||| SWAPPING to +6 heavy broad axe.
 38177 | D:14     | 38177 ||| SWAPPING to +9 broad axe "Kosum" {antimagic,
                  | rC+}.
 38178 | D:14     | 38178 ||| SWAPPING to +6 heavy broad axe.
 38179 | D:14     | 38179 ||| SWAPPING to +9 broad axe "Kosum" {antimagic,
                  | rC+}.
 38180 | D:14     | 38180 ||| SWAPPING to +6 heavy broad axe.
 38181 | D:14     | 38181 ||| SWAPPING to +9 broad axe "Kosum" {antimagic,
                  | rC+}.
 38182 | D:14     | 38182 ||| SWAPPING to +6 heavy broad axe.
 38183 | D:14     | 38183 ||| SWAPPING to +9 broad axe "Kosum" {antimagic,
                  | rC+}.
 38184 | D:14     | 38184 ||| SWAPPING to +6 heavy broad axe.
 38185 | D:14     | 38185 ||| SWAPPING to +9 broad axe "Kosum" {antimagic,
                  | rC+}.
 38186 | D:14     | 38186 ||| SWAPPING to +6 heavy broad axe.
 38187 | D:14     | 38187 ||| SWAPPING to +9 broad axe "Kosum" {antimagic,
                  | rC+}.
 38188 | D:14     | 38188 ||| SWAPPING to +6 heavy broad axe.
 38189 | D:14     | 38189 ||| SWAPPING to +9 broad axe "Kosum" {antimagic,
                  | rC+}.
 38190 | D:14     | 38190 ||| SWAPPING to +6 heavy broad axe.
 38191 | D:14     | 38191 ||| SWAPPING to +9 broad axe "Kosum" {antimagic,
                  | rC+}.
 38192 | D:14     | 38192 ||| SWAPPING to +6 heavy broad axe.
 38193 | D:14     | 38193 ||| SWAPPING to +9 broad axe "Kosum" {antimagic,
                  | rC+}.
 38194 | D:14     | 38194 ||| SWAPPING to +6 heavy broad axe.
 38195 | D:14     | 38195 ||| SWAPPING to +9 broad axe "Kosum" {antimagic,
                  | rC+}.
 38196 | D:14     | 38196 ||| SWAPPING to +6 heavy broad axe.
 38197 | D:14     | 38197 ||| SWAPPING to +9 broad axe "Kosum" {antimagic,
                  | rC+}.
 38198 | D:14     | 38198 ||| SWAPPING to +6 heavy broad axe.
 38199 | D:14     | 38199 ||| SWAPPING to +9 broad axe "Kosum" {antimagic,
                  | rC+}.
 38200 | D:14     | 38200 ||| SWAPPING to +6 heavy broad axe.
 38201 | D:14     | 38201 ||| SWAPPING to +9 broad axe "Kosum" {antimagic,
                  | rC+}.
 38202 | D:14     | 38202 ||| SWAPPING to +6 heavy broad axe.
 38203 | D:14     | 38203 ||| SWAPPING to +9 broad axe "Kosum" {antimagic,
                  | rC+}.
 38204 | D:14     | 38204 ||| SWAPPING to +6 heavy broad axe.
 38205 | D:14     | 38205 ||| SWAPPING to +9 broad axe "Kosum" {antimagic,
                  | rC+}.
 38206 | D:14     | 38206 ||| SWAPPING to +6 heavy broad axe.
 38207 | D:14     | 38207 ||| SWAPPING to +9 broad axe "Kosum" {antimagic,
                  | rC+}.
 38208 | D:14     | 38208 ||| SWAPPING to +6 heavy broad axe.
 38209 | D:14     | 38209 ||| SWAPPING to +9 broad axe "Kosum" {antimagic,
                  | rC+}.
 38210 | D:14     | 38210 ||| SWAPPING to +6 heavy broad axe.
 38211 | D:14     | 38211 ||| SWAPPING to +9 broad axe "Kosum" {antimagic,
                  | rC+}.
 38212 | D:14     | 38212 ||| SWAPPING to +6 heavy broad axe.
 38213 | D:14     | 38213 ||| SWAPPING to +9 broad axe "Kosum" {antimagic,
                  | rC+}.
 38214 | D:14     | 38214 ||| SWAPPING to +6 heavy broad axe.
 38215 | D:14     | 38215 ||| SWAPPING to +9 broad axe "Kosum" {antimagic,
                  | rC+}.
 38216 | D:14     | 38216 ||| SWAPPING to +6 heavy broad axe.
 38217 | D:14     | 38217 ||| SWAPPING to +9 broad axe "Kosum" {antimagic,
                  | rC+}.
 38218 | D:14     | 38218 ||| SWAPPING to +6 heavy broad axe.
 38219 | D:14     | 38219 ||| SWAPPING to +9 broad axe "Kosum" {antimagic,
                  | rC+}.
 38220 | D:14     | 38220 ||| SWAPPING to +6 heavy broad axe.
 38221 | D:14     | 38221 ||| SWAPPING to +9 broad axe "Kosum" {antimagic,
                  | rC+}.
 38222 | D:14     | 38222 ||| SWAPPING to +6 heavy broad axe.
 38223 | D:14     | 38223 ||| SWAPPING to +9 broad axe "Kosum" {antimagic,
                  | rC+}.
 38224 | D:14     | 38224 ||| SWAPPING to +6 heavy broad axe.
 38225 | D:14     | 38225 ||| SWAPPING to +9 broad axe "Kosum" {antimagic,
                  | rC+}.
 38226 | D:14     | 38226 ||| SWAPPING to +6 heavy broad axe.
 38227 | D:14     | 38227 ||| SWAPPING to +9 broad axe "Kosum" {antimagic,
                  | rC+}.
 38228 | D:14     | 38228 ||| SWAPPING to +6 heavy broad axe.
 38229 | D:14     | 38229 ||| SWAPPING to +9 broad axe "Kosum" {antimagic,
                  | rC+}.
 38230 | D:14     | 38230 ||| SWAPPING to +6 heavy broad axe.
 38231 | D:14     | 38231 ||| SWAPPING to +9 broad axe "Kosum" {antimagic,
                  | rC+}.
 38232 | D:14     | 38232 ||| SWAPPING to +6 heavy broad axe.
 38233 | D:14     | 38233 ||| SWAPPING to +9 broad axe "Kosum" {antimagic,
                  | rC+}.
 38234 | D:14     | 38234 ||| SWAPPING to +6 heavy broad axe.
 38235 | D:14     | 38235 ||| SWAPPING to +9 broad axe "Kosum" {antimagic,
                  | rC+}.
 38236 | D:14     | 38236 ||| SWAPPING to +6 heavy broad axe.
 38237 | D:14     | 38237 ||| SWAPPING to +9 broad axe "Kosum" {antimagic,
                  | rC+}.
 38238 | D:14     | 38238 ||| SWAPPING to +6 heavy broad axe.
 38239 | D:14     | 38239 ||| SWAPPING to +9 broad axe "Kosum" {antimagic,
                  | rC+}.
 38240 | D:14     | 38240 ||| SWAPPING to +6 heavy broad axe.
 38241 | D:14     | 38241 ||| SWAPPING to +9 broad axe "Kosum" {antimagic,
                  | rC+}.
 38242 | D:14     | 38242 ||| SWAPPING to +6 heavy broad axe.
 38243 | D:14     | 38243 ||| SWAPPING to +9 broad axe "Kosum" {antimagic,
                  | rC+}.
 38244 | D:14     | 38244 ||| SWAPPING to +6 heavy broad axe.
 38245 | D:14     | 38245 ||| SWAPPING to +9 broad axe "Kosum" {antimagic,
                  | rC+}.
 38246 | D:14     | 38246 ||| SWAPPING to +6 heavy broad axe.
 38247 | D:14     | 38247 ||| SWAPPING to +9 broad axe "Kosum" {antimagic,
                  | rC+}.
 38248 | D:14     | 38248 ||| SWAPPING to +6 heavy broad axe.
 38249 | D:14     | 38249 ||| SWAPPING to +9 broad axe "Kosum" {antimagic,
                  | rC+}.
 38250 | D:14     | 38250 ||| SWAPPING to +6 heavy broad axe.
 38251 | D:14     | 38251 ||| SWAPPING to +9 broad axe "Kosum" {antimagic,
                  | rC+}.
 38252 | D:14     | 38252 ||| SWAPPING to +6 heavy broad axe.
 38253 | D:14     | 38253 ||| SWAPPING to +9 broad axe "Kosum" {antimagic,
                  | rC+}.
 38254 | D:14     | 38254 ||| SWAPPING to +6 heavy broad axe.
 38255 | D:14     | 38255 ||| SWAPPING to +9 broad axe "Kosum" {antimagic,
                  | rC+}.
 38256 | D:14     | 38256 ||| SWAPPING to +6 heavy broad axe.
 38257 | D:14     | 38257 ||| SWAPPING to +9 broad axe "Kosum" {antimagic,
                  | rC+}.
 38258 | D:14     | 38258 ||| SWAPPING to +6 heavy broad axe.
 38259 | D:14     | 38259 ||| SWAPPING to +9 broad axe "Kosum" {antimagic,
                  | rC+}.
 38260 | D:14     | 38260 ||| SWAPPING to +6 heavy broad axe.
 38261 | D:14     | 38261 ||| SWAPPING to +9 broad axe "Kosum" {antimagic,
                  | rC+}.
 38262 | D:14     | 38262 ||| SWAPPING to +6 heavy broad axe.
 38263 | D:14     | 38263 ||| SWAPPING to +9 broad axe "Kosum" {antimagic,
                  | rC+}.
 38264 | D:14     | 38264 ||| SWAPPING to +6 heavy broad axe.
 38265 | D:14     | 38265 ||| SWAPPING to +9 broad axe "Kosum" {antimagic,
                  | rC+}.
 38266 | D:14     | 38266 ||| SWAPPING to +6 heavy broad axe.
 38267 | D:14     | 38267 ||| SWAPPING to +9 broad axe "Kosum" {antimagic,
                  | rC+}.
 38268 | D:14     | 38268 ||| SWAPPING to +6 heavy broad axe.
 38269 | D:14     | 38269 ||| SWAPPING to +9 broad axe "Kosum" {antimagic,
                  | rC+}.
 38270 | D:14     | 38270 ||| SWAPPING to +6 heavy broad axe.
 38271 | D:14     | 38271 ||| SWAPPING to +9 broad axe "Kosum" {antimagic,
                  | rC+}.
 38272 | D:14     | 38272 ||| SWAPPING to +6 heavy broad axe.
 38273 | D:14     | 38273 ||| SWAPPING to +9 broad axe "Kosum" {antimagic,
                  | rC+}.
 38274 | D:14     | 38274 ||| SWAPPING to +6 heavy broad axe.
 38275 | D:14     | 38275 ||| SWAPPING to +9 broad axe "Kosum" {antimagic,
                  | rC+}.
 38276 | D:14     | 38276 ||| SWAPPING to +6 heavy broad axe.
 38277 | D:14     | 38277 ||| SWAPPING to +9 broad axe "Kosum" {antimagic,
                  | rC+}.
 38278 | D:14     | 38278 ||| SWAPPING to +6 heavy broad axe.
 38279 | D:14     | 38279 ||| SWAPPING to +9 broad axe "Kosum" {antimagic,
                  | rC+}.
 38280 | D:14     | 38280 ||| SWAPPING to +6 heavy broad axe.
 38281 | D:14     | 38281 ||| SWAPPING to +9 broad axe "Kosum" {antimagic,
                  | rC+}.
 38282 | D:14     | 38282 ||| SWAPPING to +6 heavy broad axe.
 38283 | D:14     | 38283 ||| SWAPPING to +9 broad axe "Kosum" {antimagic,
                  | rC+}.
 38284 | D:14     | 38284 ||| SWAPPING to +6 heavy broad axe.
 38285 | D:14     | 38285 ||| SWAPPING to +9 broad axe "Kosum" {antimagic,
                  | rC+}.
 38286 | D:14     | 38286 ||| SWAPPING to +6 heavy broad axe.
 38287 | D:14     | 38287 ||| SWAPPING to +9 broad axe "Kosum" {antimagic,
                  | rC+}.
 38288 | D:14     | 38288 ||| SWAPPING to +6 heavy broad axe.
 38289 | D:14     | 38289 ||| SWAPPING to +9 broad axe "Kosum" {antimagic,
                  | rC+}.
 38290 | D:14     | 38290 ||| SWAPPING to +6 heavy broad axe.
 38291 | D:14     | 38291 ||| SWAPPING to +9 broad axe "Kosum" {antimagic,
                  | rC+}.
 38292 | D:14     | 38292 ||| SWAPPING to +6 heavy broad axe.
 38293 | D:14     | 38293 ||| SWAPPING to +9 broad axe "Kosum" {antimagic,
                  | rC+}.
 38294 | D:14     | 38294 ||| SWAPPING to +6 heavy broad axe.
 38295 | D:14     | 38295 ||| SWAPPING to +9 broad axe "Kosum" {antimagic,
                  | rC+}.
 38296 | D:14     | 38296 ||| SWAPPING to +6 heavy broad axe.
 38297 | D:14     | 38297 ||| SWAPPING to +9 broad axe "Kosum" {antimagic,
                  | rC+}.
 38298 | D:14     | 38298 ||| SWAPPING to +6 heavy broad axe.
 38299 | D:14     | 38299 ||| SWAPPING to +9 broad axe "Kosum" {antimagic,
                  | rC+}.
 38300 | D:14     | 38300 ||| SWAPPING to +6 heavy broad axe.
 38301 | D:14     | 38301 ||| SWAPPING to +9 broad axe "Kosum" {antimagic,
                  | rC+}.
 38302 | D:14     | 38302 ||| SWAPPING to +6 heavy broad axe.
 38303 | D:14     | 38303 ||| SWAPPING to +9 broad axe "Kosum" {antimagic,
                  | rC+}.
 38304 | D:14     | 38304 ||| SWAPPING to +6 heavy broad axe.
 38305 | D:14     | 38305 ||| SWAPPING to +9 broad axe "Kosum" {antimagic,
                  | rC+}.
 38306 | D:14     | 38306 ||| SWAPPING to +6 heavy broad axe.
 38307 | D:14     | 38307 ||| SWAPPING to +9 broad axe "Kosum" {antimagic,
                  | rC+}.
 38308 | D:14     | 38308 ||| SWAPPING to +6 heavy broad axe.
 38309 | D:14     | 38309 ||| SWAPPING to +9 broad axe "Kosum" {antimagic,
                  | rC+}.
 38310 | D:14     | 38310 ||| SWAPPING to +6 heavy broad axe.
 38311 | D:14     | 38311 ||| SWAPPING to +9 broad axe "Kosum" {antimagic,
                  | rC+}.
 38312 | D:14     | 38312 ||| SWAPPING to +6 heavy broad axe.
 38313 | D:14     | 38313 ||| SWAPPING to +9 broad axe "Kosum" {antimagic,
                  | rC+}.
 38314 | D:14     | 38314 ||| SWAPPING to +6 heavy broad axe.
 38315 | D:14     | 38315 ||| SWAPPING to +9 broad axe "Kosum" {antimagic,
                  | rC+}.
 38316 | D:14     | 38316 ||| SWAPPING to +6 heavy broad axe.
 38317 | D:14     | 38317 ||| SWAPPING to +9 broad axe "Kosum" {antimagic,
                  | rC+}.
 38318 | D:14     | 38318 ||| SWAPPING to +6 heavy broad axe.
 38319 | D:14     | 38319 ||| SWAPPING to +9 broad axe "Kosum" {antimagic,
                  | rC+}.
 38320 | D:14     | 38320 ||| SWAPPING to +6 heavy broad axe.
 38321 | D:14     | 38321 ||| SWAPPING to +9 broad axe "Kosum" {antimagic,
                  | rC+}.
 38322 | D:14     | 38322 ||| SWAPPING to +6 heavy broad axe.
 38323 | D:14     | 38323 ||| SWAPPING to +9 broad axe "Kosum" {antimagic,
                  | rC+}.
 38324 | D:14     | 38324 ||| SWAPPING to +6 heavy broad axe.
 38325 | D:14     | 38325 ||| SWAPPING to +9 broad axe "Kosum" {antimagic,
                  | rC+}.
 38326 | D:14     | 38326 ||| SWAPPING to +6 heavy broad axe.
 38327 | D:14     | 38327 ||| SWAPPING to +9 broad axe "Kosum" {antimagic,
                  | rC+}.
 38328 | D:14     | 38328 ||| SWAPPING to +6 heavy broad axe.
 38329 | D:14     | 38329 ||| SWAPPING to +9 broad axe "Kosum" {antimagic,
                  | rC+}.
 38330 | D:14     | 38330 ||| SWAPPING to +6 heavy broad axe.
 38331 | D:14     | 38331 ||| SWAPPING to +9 broad axe "Kosum" {antimagic,
                  | rC+}.
 38332 | D:14     | 38332 ||| SWAPPING to +6 heavy broad axe.
 38333 | D:14     | 38333 ||| SWAPPING to +9 broad axe "Kosum" {antimagic,
                  | rC+}.
 38334 | D:14     | 38334 ||| SWAPPING to +6 heavy broad axe.
 38335 | D:14     | 38335 ||| SWAPPING to +9 broad axe "Kosum" {antimagic,
                  | rC+}.
 38336 | D:14     | 38336 ||| SWAPPING to +6 heavy broad axe.
 38337 | D:14     | 38337 ||| SWAPPING to +9 broad axe "Kosum" {antimagic,
                  | rC+}.
 38338 | D:14     | 38338 ||| SWAPPING to +6 heavy broad axe.
 38339 | D:14     | 38339 ||| SWAPPING to +9 broad axe "Kosum" {antimagic,
                  | rC+}.
 38340 | D:14     | 38340 ||| SWAPPING to +6 heavy broad axe.
 38341 | D:14     | 38341 ||| SWAPPING to +9 broad axe "Kosum" {antimagic,
                  | rC+}.
 38342 | D:14     | 38342 ||| SWAPPING to +6 heavy broad axe.
 38343 | D:14     | 38343 ||| SWAPPING to +9 broad axe "Kosum" {antimagic,
                  | rC+}.
 38344 | D:14     | 38344 ||| SWAPPING to +6 heavy broad axe.
 38345 | D:14     | 38345 ||| SWAPPING to +9 broad axe "Kosum" {antimagic,
                  | rC+}.
 38346 | D:14     | 38346 ||| SWAPPING to +6 heavy broad axe.
 38347 | D:14     | 38347 ||| SWAPPING to +9 broad axe "Kosum" {antimagic,
                  | rC+}.
 38348 | D:14     | 38348 ||| SWAPPING to +6 heavy broad axe.
 38349 | D:14     | 38349 ||| SWAPPING to +9 broad axe "Kosum" {antimagic,
                  | rC+}.
 38350 | D:14     | 38350 ||| SWAPPING to +6 heavy broad axe.
 38351 | D:14     | 38351 ||| SWAPPING to +9 broad axe "Kosum" {antimagic,
                  | rC+}.
 38352 | D:14     | 38352 ||| SWAPPING to +6 heavy broad axe.
 38353 | D:14     | 38353 ||| SWAPPING to +9 broad axe "Kosum" {antimagic,
                  | rC+}.
 38354 | D:14     | 38354 ||| SWAPPING to +6 heavy broad axe.
 38355 | D:14     | 38355 ||| SWAPPING to +9 broad axe "Kosum" {antimagic,
                  | rC+}.
 38356 | D:14     | 38356 ||| SWAPPING to +6 heavy broad axe.
 38357 | D:14     | 38357 ||| SWAPPING to +9 broad axe "Kosum" {antimagic,
                  | rC+}.
 38358 | D:14     | 38358 ||| SWAPPING to +6 heavy broad axe.
 38359 | D:14     | 38359 ||| SWAPPING to +9 broad axe "Kosum" {antimagic,
                  | rC+}.
 38360 | D:14     | 38360 ||| SWAPPING to +6 heavy broad axe.
 38361 | D:14     | 38361 ||| SWAPPING to +9 broad axe "Kosum" {antimagic,
                  | rC+}.
 38362 | D:14     | 38362 ||| SWAPPING to +6 heavy broad axe.
 38363 | D:14     | 38363 ||| SWAPPING to +9 broad axe "Kosum" {antimagic,
                  | rC+}.
 38364 | D:14     | 38364 ||| SWAPPING to +6 heavy broad axe.
 38365 | D:14     | 38365 ||| SWAPPING to +9 broad axe "Kosum" {antimagic,
                  | rC+}.
 38366 | D:14     | 38366 ||| SWAPPING to +6 heavy broad axe.
 38367 | D:14     | 38367 ||| SWAPPING to +9 broad axe "Kosum" {antimagic,
                  | rC+}.
 38368 | D:14     | 38368 ||| SWAPPING to +6 heavy broad axe.
 38369 | D:14     | 38369 ||| SWAPPING to +9 broad axe "Kosum" {antimagic,
                  | rC+}.
 38370 | D:14     | 38370 ||| SWAPPING to +6 heavy broad axe.
 38371 | D:14     | 38371 ||| SWAPPING to +9 broad axe "Kosum" {antimagic,
                  | rC+}.
 38372 | D:14     | 38372 ||| SWAPPING to +6 heavy broad axe.
 38373 | D:14     | 38373 ||| SWAPPING to +9 broad axe "Kosum" {antimagic,
                  | rC+}.
 38374 | D:14     | 38374 ||| SWAPPING to +6 heavy broad axe.
 38375 | D:14     | 38375 ||| SWAPPING to +9 broad axe "Kosum" {antimagic,
                  | rC+}.
 38376 | D:14     | 38376 ||| SWAPPING to +6 heavy broad axe.
 38377 | D:14     | 38377 ||| SWAPPING to +9 broad axe "Kosum" {antimagic,
                  | rC+}.
 38378 | D:14     | 38378 ||| SWAPPING to +6 heavy broad axe.
 38379 | D:14     | 38379 ||| SWAPPING to +9 broad axe "Kosum" {antimagic,
                  | rC+}.
 38380 | D:14     | 38380 ||| SWAPPING to +6 heavy broad axe.
 38381 | D:14     | 38381 ||| SWAPPING to +9 broad axe "Kosum" {antimagic,
                  | rC+}.
 38382 | D:14     | 38382 ||| SWAPPING to +6 heavy broad axe.
 38383 | D:14     | 38383 ||| SWAPPING to +9 broad axe "Kosum" {antimagic,
                  | rC+}.
 38384 | D:14     | 38384 ||| SWAPPING to +6 heavy broad axe.
 38385 | D:14     | 38385 ||| SWAPPING to +9 broad axe "Kosum" {antimagic,
                  | rC+}.
 38386 | D:14     | 38386 ||| SWAPPING to +6 heavy broad axe.
 38387 | D:14     | 38387 ||| SWAPPING to +9 broad axe "Kosum" {antimagic,
                  | rC+}.
 38388 | D:14     | 38388 ||| SWAPPING to +6 heavy broad axe.
 38389 | D:14     | 38389 ||| SWAPPING to +9 broad axe "Kosum" {antimagic,
                  | rC+}.
 38390 | D:14     | 38390 ||| SWAPPING to +6 heavy broad axe.
 38391 | D:14     | 38391 ||| SWAPPING to +9 broad axe "Kosum" {antimagic,
                  | rC+}.
 38392 | D:14     | 38392 ||| SWAPPING to +6 heavy broad axe.
 38393 | D:14     | 38393 ||| SWAPPING to +9 broad axe "Kosum" {antimagic,
                  | rC+}.
 38394 | D:14     | 38394 ||| SWAPPING to +6 heavy broad axe.
 38395 | D:14     | 38395 ||| SWAPPING to +9 broad axe "Kosum" {antimagic,
                  | rC+}.
 38396 | D:14     | 38396 ||| SWAPPING to +6 heavy broad axe.
 38397 | D:14     | 38397 ||| SWAPPING to +9 broad axe "Kosum" {antimagic,
                  | rC+}.
 38398 | D:14     | 38398 ||| SWAPPING to +6 heavy broad axe.
 38399 | D:14     | 38399 ||| SWAPPING to +9 broad axe "Kosum" {antimagic,
                  | rC+}.
 38400 | D:14     | 38400 ||| SWAPPING to +6 heavy broad axe.
 38401 | D:14     | 38401 ||| SWAPPING to +9 broad axe "Kosum" {antimagic,
                  | rC+}.
 38402 | D:14     | 38402 ||| SWAPPING to +6 heavy broad axe.
 38403 | D:14     | 38403 ||| SWAPPING to +9 broad axe "Kosum" {antimagic,
                  | rC+}.
 38404 | D:14     | 38404 ||| SWAPPING to +6 heavy broad axe.
 38405 | D:14     | 38405 ||| SWAPPING to +9 broad axe "Kosum" {antimagic,
                  | rC+}.
 38406 | D:14     | 38406 ||| SWAPPING to +6 heavy broad axe.
 38407 | D:14     | 38407 ||| SWAPPING to +9 broad axe "Kosum" {antimagic,
                  | rC+}.
 38408 | D:14     | 38408 ||| SWAPPING to +6 heavy broad axe.
 38409 | D:14     | 38409 ||| SWAPPING to +9 broad axe "Kosum" {antimagic,
                  | rC+}.
 38410 | D:14     | 38410 ||| SWAPPING to +6 heavy broad axe.
 38411 | D:14     | 38411 ||| SWAPPING to +9 broad axe "Kosum" {antimagic,
                  | rC+}.
 38412 | D:14     | 38412 ||| SWAPPING to +6 heavy broad axe.
 38413 | D:14     | 38413 ||| SWAPPING to +9 broad axe "Kosum" {antimagic,
                  | rC+}.
 38414 | D:14     | 38414 ||| SWAPPING to +6 heavy broad axe.
 38415 | D:14     | 38415 ||| SWAPPING to +9 broad axe "Kosum" {antimagic,
                  | rC+}.
 38416 | D:14     | 38416 ||| SWAPPING to +6 heavy broad axe.
 38417 | D:14     | 38417 ||| SWAPPING to +9 broad axe "Kosum" {antimagic,
                  | rC+}.
 38418 | D:14     | 38418 ||| SWAPPING to +6 heavy broad axe.
 38419 | D:14     | 38419 ||| SWAPPING to +9 broad axe "Kosum" {antimagic,
                  | rC+}.
 38420 | D:14     | 38420 ||| SWAPPING to +6 heavy broad axe.
 38421 | D:14     | 38421 ||| SWAPPING to +9 broad axe "Kosum" {antimagic,
                  | rC+}.
 38422 | D:14     | 38422 ||| SWAPPING to +6 heavy broad axe.
 38423 | D:14     | 38423 ||| SWAPPING to +9 broad axe "Kosum" {antimagic,
                  | rC+}.
 38424 | D:14     | 38424 ||| SWAPPING to +6 heavy broad axe.
 38425 | D:14     | 38425 ||| SWAPPING to +9 broad axe "Kosum" {antimagic,
                  | rC+}.
 38426 | D:14     | 38426 ||| SWAPPING to +6 heavy broad axe.
 38427 | D:14     | 38427 ||| SWAPPING to +9 broad axe "Kosum" {antimagic,
                  | rC+}.
 38428 | D:14     | 38428 ||| SWAPPING to +6 heavy broad axe.
 38429 | D:14     | 38429 ||| SWAPPING to +9 broad axe "Kosum" {antimagic,
                  | rC+}.
 38430 | D:14     | 38430 ||| SWAPPING to +6 heavy broad axe.
 38431 | D:14     | 38431 ||| SWAPPING to +9 broad axe "Kosum" {antimagic,
                  | rC+}.
 38432 | D:14     | 38432 ||| SWAPPING to +6 heavy broad axe.
 38433 | D:14     | 38433 ||| SWAPPING to +9 broad axe "Kosum" {antimagic,
                  | rC+}.
 38434 | D:14     | 38434 ||| SWAPPING to +6 heavy broad axe.
 38435 | D:14     | 38435 ||| SWAPPING to +9 broad axe "Kosum" {antimagic,
                  | rC+}.
 38436 | D:14     | 38436 ||| SWAPPING to +6 heavy broad axe.
 38437 | D:14     | 38437 ||| SWAPPING to +9 broad axe "Kosum" {antimagic,
                  | rC+}.
 38438 | D:14     | 38438 ||| SWAPPING to +6 heavy broad axe.
 38439 | D:14     | 38439 ||| SWAPPING to +9 broad axe "Kosum" {antimagic,
                  | rC+}.
 38440 | D:14     | 38440 ||| SWAPPING to +6 heavy broad axe.
 38441 | D:14     | 38441 ||| SWAPPING to +9 broad axe "Kosum" {antimagic,
                  | rC+}.
 38442 | D:14     | 38442 ||| SWAPPING to +6 heavy broad axe.
 38443 | D:14     | 38443 ||| SWAPPING to +9 broad axe "Kosum" {antimagic,
                  | rC+}.
 38444 | D:14     | 38444 ||| SWAPPING to +6 heavy broad axe.
 38445 | D:14     | 38445 ||| SWAPPING to +9 broad axe "Kosum" {antimagic,
                  | rC+}.
 38446 | D:14     | 38446 ||| SWAPPING to +6 heavy broad axe.
 38447 | D:14     | 38447 ||| SWAPPING to +9 broad axe "Kosum" {antimagic,
                  | rC+}.
 38448 | D:14     | 38448 ||| SWAPPING to +6 heavy broad axe.
 38449 | D:14     | 38449 ||| SWAPPING to +9 broad axe "Kosum" {antimagic,
                  | rC+}.
 38450 | D:14     | 38450 ||| SWAPPING to +6 heavy broad axe.
 38451 | D:14     | 38451 ||| SWAPPING to +9 broad axe "Kosum" {antimagic,
                  | rC+}.
 38452 | D:14     | 38452 ||| SWAPPING to +6 heavy broad axe.
 38453 | D:14     | 38453 ||| SWAPPING to +9 broad axe "Kosum" {antimagic,
                  | rC+}.
 38454 | D:14     | 38454 ||| SWAPPING to +6 heavy broad axe.
 38455 | D:14     | 38455 ||| SWAPPING to +9 broad axe "Kosum" {antimagic,
                  | rC+}.
 38456 | D:14     | 38456 ||| SWAPPING to +6 heavy broad axe.
 38457 | D:14     | 38457 ||| SWAPPING to +9 broad axe "Kosum" {antimagic,
                  | rC+}.
 38458 | D:14     | 38458 ||| SWAPPING to +6 heavy broad axe.
 38459 | D:14     | 38459 ||| SWAPPING to +9 broad axe "Kosum" {antimagic,
                  | rC+}.
 38460 | D:14     | 38460 ||| SWAPPING to +6 heavy broad axe.
 38461 | D:14     | 38461 ||| SWAPPING to +9 broad axe "Kosum" {antimagic,
                  | rC+}.
 38462 | D:14     | 38462 ||| SWAPPING to +6 heavy broad axe.
 38463 | D:14     | 38463 ||| SWAPPING to +9 broad axe "Kosum" {antimagic,
                  | rC+}.
 38464 | D:14     | 38464 ||| SWAPPING to +6 heavy broad axe.
 38465 | D:14     | 38465 ||| SWAPPING to +9 broad axe "Kosum" {antimagic,
                  | rC+}.
 38466 | D:14     | 38466 ||| SWAPPING to +6 heavy broad axe.
 38467 | D:14     | 38467 ||| SWAPPING to +9 broad axe "Kosum" {antimagic,
                  | rC+}.
 38468 | D:14     | 38468 ||| SWAPPING to +6 heavy broad axe.
 38469 | D:14     | 38469 ||| SWAPPING to +9 broad axe "Kosum" {antimagic,
                  | rC+}.
 38470 | D:14     | 38470 ||| SWAPPING to +6 heavy broad axe.
 38471 | D:14     | 38471 ||| SWAPPING to +9 broad axe "Kosum" {antimagic,
                  | rC+}.
 38472 | D:14     | 38472 ||| SWAPPING to +6 heavy broad axe.
 38473 | D:14     | 38473 ||| SWAPPING to +9 broad axe "Kosum" {antimagic,
                  | rC+}.
 38474 | D:14     | 38474 ||| SWAPPING to +6 heavy broad axe.
 38475 | D:14     | 38475 ||| SWAPPING to +9 broad axe "Kosum" {antimagic,
                  | rC+}.
 38476 | D:14     | 38476 ||| SWAPPING to +6 heavy broad axe.
 38477 | D:14     | 38477 ||| SWAPPING to +9 broad axe "Kosum" {antimagic,
                  | rC+}.
 38478 | D:14     | 38478 ||| SWAPPING to +6 heavy broad axe.
 38479 | D:14     | 38479 ||| SWAPPING to +9 broad axe "Kosum" {antimagic,
                  | rC+}.
 38480 | D:14     | 38480 ||| SWAPPING to +6 heavy broad axe.
 38481 | D:14     | 38481 ||| SWAPPING to +9 broad axe "Kosum" {antimagic,
                  | rC+}.
 38482 | D:14     | 38482 ||| SWAPPING to +6 heavy broad axe.
 38483 | D:14     | 38483 ||| SWAPPING to +9 broad axe "Kosum" {antimagic,
                  | rC+}.
 38484 | D:14     | 38484 ||| SWAPPING to +6 heavy broad axe.
 38485 | D:14     | 38485 ||| SWAPPING to +9 broad axe "Kosum" {antimagic,
                  | rC+}.
 38486 | D:14     | 38486 ||| SWAPPING to +6 heavy broad axe.
 38487 | D:14     | 38487 ||| SWAPPING to +9 broad axe "Kosum" {antimagic,
                  | rC+}.
 38488 | D:14     | 38488 ||| SWAPPING to +6 heavy broad axe.
 38489 | D:14     | 38489 ||| SWAPPING to +9 broad axe "Kosum" {antimagic,
                  | rC+}.
 38490 | D:14     | 38490 ||| SWAPPING to +6 heavy broad axe.
 38491 | D:14     | 38491 ||| SWAPPING to +9 broad axe "Kosum" {antimagic,
                  | rC+}.
 38492 | D:14     | 38492 ||| SWAPPING to +6 heavy broad axe.
 38493 | D:14     | 38493 ||| SWAPPING to +9 broad axe "Kosum" {antimagic,
                  | rC+}.
 38494 | D:14     | 38494 ||| SWAPPING to +6 heavy broad axe.
 38495 | D:14     | 38495 ||| SWAPPING to +9 broad axe "Kosum" {antimagic,
                  | rC+}.
 38496 | D:14     | 38496 ||| SWAPPING to +6 heavy broad axe.
 38497 | D:14     | 38497 ||| SWAPPING to +9 broad axe "Kosum" {antimagic,
                  | rC+}.
 38498 | D:14     | 38498 ||| SWAPPING to +6 heavy broad axe.
 38499 | D:14     | 38499 ||| SWAPPING to +9 broad axe "Kosum" {antimagic,
                  | rC+}.
 38500 | D:14     | 38500 ||| SWAPPING to +6 heavy broad axe.
 38501 | D:14     | 38501 ||| SWAPPING to +9 broad axe "Kosum" {antimagic,
                  | rC+}.
 38502 | D:14     | 38502 ||| SWAPPING to +6 heavy broad axe.
 38503 | D:14     | 38503 ||| SWAPPING to +9 broad axe "Kosum" {antimagic,
                  | rC+}.
 38504 | D:14     | 38504 ||| SWAPPING to +6 heavy broad axe.
 38505 | D:14     | 38505 ||| SWAPPING to +9 broad axe "Kosum" {antimagic,
                  | rC+}.
 38506 | D:14     | 38506 ||| SWAPPING to +6 heavy broad axe.
 38507 | D:14     | 38507 ||| SWAPPING to +9 broad axe "Kosum" {antimagic,
                  | rC+}.
 38508 | D:14     | 38508 ||| SWAPPING to +6 heavy broad axe.
 38509 | D:14     | 38509 ||| SWAPPING to +9 broad axe "Kosum" {antimagic,
                  | rC+}.
 38510 | D:14     | 38510 ||| SWAPPING to +6 heavy broad axe.
 38511 | D:14     | 38511 ||| SWAPPING to +9 broad axe "Kosum" {antimagic,
                  | rC+}.
 38512 | D:14     | 38512 ||| SWAPPING to +6 heavy broad axe.
 38513 | D:14     | 38513 ||| SWAPPING to +9 broad axe "Kosum" {antimagic,
                  | rC+}.
 38514 | D:14     | 38514 ||| SWAPPING to +6 heavy broad axe.
 38515 | D:14     | 38515 ||| SWAPPING to +9 broad axe "Kosum" {antimagic,
                  | rC+}.
 38516 | D:14     | 38516 ||| SWAPPING to +6 heavy broad axe.
 38517 | D:14     | 38517 ||| SWAPPING to +9 broad axe "Kosum" {antimagic,
                  | rC+}.
 38518 | D:14     | 38518 ||| SWAPPING to +6 heavy broad axe.
 38519 | D:14     | 38519 ||| SWAPPING to +9 broad axe "Kosum" {antimagic,
                  | rC+}.
 38520 | D:14     | 38520 ||| SWAPPING to +6 heavy broad axe.
 38521 | D:14     | 38521 ||| SWAPPING to +9 broad axe "Kosum" {antimagic,
                  | rC+}.
 38522 | D:14     | 38522 ||| SWAPPING to +6 heavy broad axe.
 38523 | D:14     | 38523 ||| SWAPPING to +9 broad axe "Kosum" {antimagic,
                  | rC+}.
 38524 | D:14     | 38524 ||| SWAPPING to +6 heavy broad axe.
 38525 | D:14     | 38525 ||| SWAPPING to +9 broad axe "Kosum" {antimagic,
                  | rC+}.
 38526 | D:14     | 38526 ||| SWAPPING to +6 heavy broad axe.
 38527 | D:14     | 38527 ||| SWAPPING to +9 broad axe "Kosum" {antimagic,
                  | rC+}.
 38528 | D:14     | 38528 ||| SWAPPING to +6 heavy broad axe.
 38529 | D:14     | 38529 ||| SWAPPING to +9 broad axe "Kosum" {antimagic,
                  | rC+}.
 38530 | D:14     | 38530 ||| SWAPPING to +6 heavy broad axe.
 38531 | D:14     | 38531 ||| SWAPPING to +9 broad axe "Kosum" {antimagic,
                  | rC+}.
 38532 | D:14     | 38532 ||| SWAPPING to +6 heavy broad axe.
 38533 | D:14     | 38533 ||| SWAPPING to +9 broad axe "Kosum" {antimagic,
                  | rC+}.
 38534 | D:14     | 38534 ||| SWAPPING to +6 heavy broad axe.
 38535 | D:14     | 38535 ||| SWAPPING to +9 broad axe "Kosum" {antimagic,
                  | rC+}.
 38536 | D:14     | 38536 ||| SWAPPING to +6 heavy broad axe.
 38537 | D:14     | 38537 ||| SWAPPING to +9 broad axe "Kosum" {antimagic,
                  | rC+}.
 38538 | D:14     | 38538 ||| SWAPPING to +6 heavy broad axe.
 38539 | D:14     | 38539 ||| SWAPPING to +9 broad axe "Kosum" {antimagic,
                  | rC+}.
 38540 | D:14     | 38540 ||| SWAPPING to +6 heavy broad axe.
 38541 | D:14     | 38541 ||| SWAPPING to +9 broad axe "Kosum" {antimagic,
                  | rC+}.
 38542 | D:14     | 38542 ||| SWAPPING to +6 heavy broad axe.
 38543 | D:14     | 38543 ||| SWAPPING to +9 broad axe "Kosum" {antimagic,
                  | rC+}.
 38544 | D:14     | 38544 ||| SWAPPING to +6 heavy broad axe.
 38545 | D:14     | 38545 ||| SWAPPING to +9 broad axe "Kosum" {antimagic,
                  | rC+}.
 38546 | D:14     | 38546 ||| SWAPPING to +6 heavy broad axe.
 38547 | D:14     | 38547 ||| SWAPPING to +9 broad axe "Kosum" {antimagic,
                  | rC+}.
 38548 | D:14     | 38548 ||| SWAPPING to +6 heavy broad axe.
 38549 | D:14     | 38549 ||| SWAPPING to +9 broad axe "Kosum" {antimagic,
                  | rC+}.
 38550 | D:14     | 38550 ||| SWAPPING to +6 heavy broad axe.
 38551 | D:14     | 38551 ||| SWAPPING to +9 broad axe "Kosum" {antimagic,
                  | rC+}.
 38552 | D:14     | 38552 ||| SWAPPING to +6 heavy broad axe.
 38553 | D:14     | 38553 ||| SWAPPING to +9 broad axe "Kosum" {antimagic,
                  | rC+}.
 38554 | D:14     | 38554 ||| SWAPPING to +6 heavy broad axe.
 38555 | D:14     | 38555 ||| SWAPPING to +9 broad axe "Kosum" {antimagic,
                  | rC+}.
 38556 | D:14     | 38556 ||| SWAPPING to +6 heavy broad axe.
 38557 | D:14     | 38557 ||| SWAPPING to +9 broad axe "Kosum" {antimagic,
                  | rC+}.
 38558 | D:14     | 38558 ||| SWAPPING to +6 heavy broad axe.
 38559 | D:14     | 38559 ||| SWAPPING to +9 broad axe "Kosum" {antimagic,
                  | rC+}.
 38560 | D:14     | 38560 ||| SWAPPING to +6 heavy broad axe.
 38561 | D:14     | 38561 ||| SWAPPING to +9 broad axe "Kosum" {antimagic,
                  | rC+}.
 38562 | D:14     | 38562 ||| SWAPPING to +6 heavy broad axe.
 38563 | D:14     | 38563 ||| SWAPPING to +9 broad axe "Kosum" {antimagic,
                  | rC+}.
 38564 | D:14     | 38564 ||| SWAPPING to +6 heavy broad axe.
 38565 | D:14     | 38565 ||| SWAPPING to +9 broad axe "Kosum" {antimagic,
                  | rC+}.
 38566 | D:14     | 38566 ||| SWAPPING to +6 heavy broad axe.
 38567 | D:14     | 38567 ||| SWAPPING to +9 broad axe "Kosum" {antimagic,
                  | rC+}.
 38568 | D:14     | 38568 ||| SWAPPING to +6 heavy broad axe.
 38569 | D:14     | 38569 ||| SWAPPING to +9 broad axe "Kosum" {antimagic,
                  | rC+}.
 38570 | D:14     | 38570 ||| SWAPPING to +6 heavy broad axe.
 38571 | D:14     | 38571 ||| SWAPPING to +9 broad axe "Kosum" {antimagic,
                  | rC+}.
 38572 | D:14     | 38572 ||| SWAPPING to +6 heavy broad axe.
 38573 | D:14     | 38573 ||| SWAPPING to +9 broad axe "Kosum" {antimagic,
                  | rC+}.
 38574 | D:14     | 38574 ||| SWAPPING to +6 heavy broad axe.
 38575 | D:14     | 38575 ||| SWAPPING to +9 broad axe "Kosum" {antimagic,
                  | rC+}.
 38576 | D:14     | 38576 ||| SWAPPING to +6 heavy broad axe.
 38577 | D:14     | 38577 ||| SWAPPING to +9 broad axe "Kosum" {antimagic,
                  | rC+}.
 38578 | D:14     | 38578 ||| SWAPPING to +6 heavy broad axe.
 38579 | D:14     | 38579 ||| SWAPPING to +9 broad axe "Kosum" {antimagic,
                  | rC+}.
 38580 | D:14     | 38580 ||| SWAPPING to +6 heavy broad axe.
 38581 | D:14     | 38581 ||| SWAPPING to +9 broad axe "Kosum" {antimagic,
                  | rC+}.
 38582 | D:14     | 38582 ||| SWAPPING to +6 heavy broad axe.
 38583 | D:14     | 38583 ||| SWAPPING to +9 broad axe "Kosum" {antimagic,
                  | rC+}.
 38584 | D:14     | 38584 ||| SWAPPING to +6 heavy broad axe.
 38585 | D:14     | 38585 ||| SWAPPING to +9 broad axe "Kosum" {antimagic,
                  | rC+}.
 38586 | D:14     | 38586 ||| SWAPPING to +6 heavy broad axe.
 38587 | D:14     | 38587 ||| SWAPPING to +9 broad axe "Kosum" {antimagic,
                  | rC+}.
 38588 | D:14     | 38588 ||| SWAPPING to +6 heavy broad axe.
 38589 | D:14     | 38589 ||| SWAPPING to +9 broad axe "Kosum" {antimagic,
                  | rC+}.
 38590 | D:14     | 38590 ||| SWAPPING to +6 heavy broad axe.
 38591 | D:14     | 38591 ||| SWAPPING to +9 broad axe "Kosum" {antimagic,
                  | rC+}.
 38592 | D:14     | 38592 ||| SWAPPING to +6 heavy broad axe.
 38593 | D:14     | 38593 ||| SWAPPING to +9 broad axe "Kosum" {antimagic,
                  | rC+}.
 38594 | D:14     | 38594 ||| SWAPPING to +6 heavy broad axe.
 38595 | D:14     | 38595 ||| SWAPPING to +9 broad axe "Kosum" {antimagic,
                  | rC+}.
 38596 | D:14     | 38596 ||| SWAPPING to +6 heavy broad axe.
 38597 | D:14     | 38597 ||| SWAPPING to +9 broad axe "Kosum" {antimagic,
                  | rC+}.
 38598 | D:14     | 38598 ||| SWAPPING to +6 heavy broad axe.
 38599 | D:14     | 38599 ||| SWAPPING to +9 broad axe "Kosum" {antimagic,
                  | rC+}.
 38600 | D:14     | 38600 ||| SWAPPING to +6 heavy broad axe.
 38601 | D:14     | 38601 ||| SWAPPING to +9 broad axe "Kosum" {antimagic,
                  | rC+}.
 38602 | D:14     | 38602 ||| SWAPPING to +6 heavy broad axe.
 38603 | D:14     | 38603 ||| SWAPPING to +9 broad axe "Kosum" {antimagic,
                  | rC+}.
 38604 | D:14     | 38604 ||| SWAPPING to +6 heavy broad axe.
 38605 | D:14     | 38605 ||| SWAPPING to +9 broad axe "Kosum" {antimagic,
                  | rC+}.
 38606 | D:14     | 38606 ||| SWAPPING to +6 heavy broad axe.
 38607 | D:14     | 38607 ||| SWAPPING to +9 broad axe "Kosum" {antimagic,
                  | rC+}.
 38608 | D:14     | 38608 ||| SWAPPING to +6 heavy broad axe.
 38609 | D:14     | 38609 ||| SWAPPING to +9 broad axe "Kosum" {antimagic,
                  | rC+}.
 38610 | D:14     | 38610 ||| SWAPPING to +6 heavy broad axe.
 38611 | D:14     | 38611 ||| SWAPPING to +9 broad axe "Kosum" {antimagic,
                  | rC+}.
 38612 | D:14     | 38612 ||| SWAPPING to +6 heavy broad axe.
 38613 | D:14     | 38613 ||| SWAPPING to +9 broad axe "Kosum" {antimagic,
                  | rC+}.
 38614 | D:14     | 38614 ||| SWAPPING to +6 heavy broad axe.
 38615 | D:14     | 38615 ||| SWAPPING to +9 broad axe "Kosum" {antimagic,
                  | rC+}.
 38616 | D:14     | 38616 ||| SWAPPING to +6 heavy broad axe.
 38617 | D:14     | 38617 ||| SWAPPING to +9 broad axe "Kosum" {antimagic,
                  | rC+}.
 38618 | D:14     | 38618 ||| SWAPPING to +6 heavy broad axe.
 38619 | D:14     | 38619 ||| SWAPPING to +9 broad axe "Kosum" {antimagic,
                  | rC+}.
 38620 | D:14     | 38620 ||| SWAPPING to +6 heavy broad axe.
 38621 | D:14     | 38621 ||| SWAPPING to +9 broad axe "Kosum" {antimagic,
                  | rC+}.
 38622 | D:14     | 38622 ||| SWAPPING to +6 heavy broad axe.
 38623 | D:14     | 38623 ||| SWAPPING to +9 broad axe "Kosum" {antimagic,
                  | rC+}.
 38624 | D:14     | 38624 ||| SWAPPING to +6 heavy broad axe.
 38625 | D:14     | 38625 ||| SWAPPING to +9 broad axe "Kosum" {antimagic,
                  | rC+}.
 38626 | D:14     | 38626 ||| SWAPPING to +6 heavy broad axe.
 38627 | D:14     | 38627 ||| SWAPPING to +9 broad axe "Kosum" {antimagic,
                  | rC+}.
 38628 | D:14     | 38628 ||| SWAPPING to +6 heavy broad axe.
 38629 | D:14     | 38629 ||| SWAPPING to +9 broad axe "Kosum" {antimagic,
                  | rC+}.
 38630 | D:14     | 38630 ||| SWAPPING to +6 heavy broad axe.
 38631 | D:14     | 38631 ||| SWAPPING to +9 broad axe "Kosum" {antimagic,
                  | rC+}.
 38632 | D:14     | 38632 ||| SWAPPING to +6 heavy broad axe.
 38633 | D:14     | 38633 ||| SWAPPING to +9 broad axe "Kosum" {antimagic,
                  | rC+}.
 38634 | D:14     | 38634 ||| SWAPPING to +6 heavy broad axe.
 38635 | D:14     | 38635 ||| SWAPPING to +9 broad axe "Kosum" {antimagic,
                  | rC+}.
 38636 | D:14     | 38636 ||| SWAPPING to +6 heavy broad axe.
 38637 | D:14     | 38637 ||| SWAPPING to +9 broad axe "Kosum" {antimagic,
                  | rC+}.
 38638 | D:14     | 38638 ||| SWAPPING to +6 heavy broad axe.
 38639 | D:14     | 38639 ||| SWAPPING to +9 broad axe "Kosum" {antimagic,
                  | rC+}.
 38640 | D:14     | 38640 ||| SWAPPING to +6 heavy broad axe.
 38641 | D:14     | 38641 ||| SWAPPING to +9 broad axe "Kosum" {antimagic,
                  | rC+}.
 38642 | D:14     | 38642 ||| SWAPPING to +6 heavy broad axe.
 38643 | D:14     | 38643 ||| SWAPPING to +9 broad axe "Kosum" {antimagic,
                  | rC+}.
 38644 | D:14     | 38644 ||| SWAPPING to +6 heavy broad axe.
 38645 | D:14     | 38645 ||| SWAPPING to +9 broad axe "Kosum" {antimagic,
                  | rC+}.
 38646 | D:14     | 38646 ||| SWAPPING to +6 heavy broad axe.
 38647 | D:14     | 38647 ||| SWAPPING to +9 broad axe "Kosum" {antimagic,
                  | rC+}.
 38648 | D:14     | 38648 ||| SWAPPING to +6 heavy broad axe.
 38649 | D:14     | 38649 ||| SWAPPING to +9 broad axe "Kosum" {antimagic,
                  | rC+}.
 38650 | D:14     | 38650 ||| SWAPPING to +6 heavy broad axe.
 38651 | D:14     | 38651 ||| SWAPPING to +9 broad axe "Kosum" {antimagic,
                  | rC+}.
 38652 | D:14     | 38652 ||| SWAPPING to +6 heavy broad axe.
 38653 | D:14     | 38653 ||| SWAPPING to +9 broad axe "Kosum" {antimagic,
                  | rC+}.
 38654 | D:14     | 38654 ||| SWAPPING to +6 heavy broad axe.
 38655 | D:14     | 38655 ||| SWAPPING to +9 broad axe "Kosum" {antimagic,
                  | rC+}.
 38656 | D:14     | 38656 ||| SWAPPING to +6 heavy broad axe.
 38657 | D:14     | 38657 ||| SWAPPING to +9 broad axe "Kosum" {antimagic,
                  | rC+}.
 38658 | D:14     | 38658 ||| SWAPPING to +6 heavy broad axe.
 38659 | D:14     | 38659 ||| SWAPPING to +9 broad axe "Kosum" {antimagic,
                  | rC+}.
 38660 | D:14     | 38660 ||| SWAPPING to +6 heavy broad axe.
 38661 | D:14     | 38661 ||| SWAPPING to +9 broad axe "Kosum" {antimagic,
                  | rC+}.
 38662 | D:14     | 38662 ||| SWAPPING to +6 heavy broad axe.
 38663 | D:14     | 38663 ||| SWAPPING to +9 broad axe "Kosum" {antimagic,
                  | rC+}.
 38664 | D:14     | 38664 ||| SWAPPING to +6 heavy broad axe.
 38665 | D:14     | 38665 ||| SWAPPING to +9 broad axe "Kosum" {antimagic,
                  | rC+}.
 38666 | D:14     | 38666 ||| SWAPPING to +6 heavy broad axe.
 38667 | D:14     | 38667 ||| SWAPPING to +9 broad axe "Kosum" {antimagic,
                  | rC+}.
 38668 | D:14     | 38668 ||| SWAPPING to +6 heavy broad axe.
 38669 | D:14     | 38669 ||| SWAPPING to +9 broad axe "Kosum" {antimagic,
                  | rC+}.
 38670 | D:14     | 38670 ||| SWAPPING to +6 heavy broad axe.
 38671 | D:14     | 38671 ||| SWAPPING to +9 broad axe "Kosum" {antimagic,
                  | rC+}.
 38672 | D:14     | 38672 ||| SWAPPING to +6 heavy broad axe.
 38673 | D:14     | 38673 ||| SWAPPING to +9 broad axe "Kosum" {antimagic,
                  | rC+}.
 38674 | D:14     | 38674 ||| SWAPPING to +6 heavy broad axe.
 38675 | D:14     | 38675 ||| SWAPPING to +9 broad axe "Kosum" {antimagic,
                  | rC+}.
 38676 | D:14     | 38676 ||| SWAPPING to +6 heavy broad axe.
 38677 | D:14     | 38677 ||| SWAPPING to +9 broad axe "Kosum" {antimagic,
                  | rC+}.
 38678 | D:14     | 38678 ||| SWAPPING to +6 heavy broad axe.
 38679 | D:14     | 38679 ||| SWAPPING to +9 broad axe "Kosum" {antimagic,
                  | rC+}.
 38680 | D:14     | 38680 ||| SWAPPING to +6 heavy broad axe.
 38681 | D:14     | 38681 ||| SWAPPING to +9 broad axe "Kosum" {antimagic,
                  | rC+}.
 38682 | D:14     | 38682 ||| SWAPPING to +6 heavy broad axe.
 38683 | D:14     | 38683 ||| SWAPPING to +9 broad axe "Kosum" {antimagic,
                  | rC+}.
 38684 | D:14     | 38684 ||| SWAPPING to +6 heavy broad axe.
 38685 | D:14     | 38685 ||| SWAPPING to +9 broad axe "Kosum" {antimagic,
                  | rC+}.
 38686 | D:14     | 38686 ||| SWAPPING to +6 heavy broad axe.
 38687 | D:14     | 38687 ||| SWAPPING to +9 broad axe "Kosum" {antimagic,
                  | rC+}.
 38688 | D:14     | 38688 ||| SWAPPING to +6 heavy broad axe.
 38689 | D:14     | 38689 ||| SWAPPING to +9 broad axe "Kosum" {antimagic,
                  | rC+}.
 38690 | D:14     | 38690 ||| SWAPPING to +6 heavy broad axe.
 38691 | D:14     | 38691 ||| SWAPPING to +9 broad axe "Kosum" {antimagic,
                  | rC+}.
 38692 | D:14     | 38692 ||| SWAPPING to +6 heavy broad axe.
 38693 | D:14     | 38693 ||| SWAPPING to +9 broad axe "Kosum" {antimagic,
                  | rC+}.
 38694 | D:14     | 38694 ||| SWAPPING to +6 heavy broad axe.
 38695 | D:14     | 38695 ||| SWAPPING to +9 broad axe "Kosum" {antimagic,
                  | rC+}.
 38696 | D:14     | 38696 ||| SWAPPING to +6 heavy broad axe.
 38697 | D:14     | 38697 ||| SWAPPING to +9 broad axe "Kosum" {antimagic,
                  | rC+}.
 38698 | D:14     | 38698 ||| SWAPPING to +6 heavy broad axe.
 38699 | D:14     | 38699 ||| SWAPPING to +9 broad axe "Kosum" {antimagic,
                  | rC+}.
 38700 | D:14     | 38700 ||| SWAPPING to +6 heavy broad axe.
 38701 | D:14     | 38701 ||| SWAPPING to +9 broad axe "Kosum" {antimagic,
                  | rC+}.
 38702 | D:14     | 38702 ||| SWAPPING to +6 heavy broad axe.
 38703 | D:14     | 38703 ||| SWAPPING to +9 broad axe "Kosum" {antimagic,
                  | rC+}.
 38704 | D:14     | 38704 ||| SWAPPING to +6 heavy broad axe.
 38705 | D:14     | 38705 ||| SWAPPING to +9 broad axe "Kosum" {antimagic,
                  | rC+}.
 38706 | D:14     | 38706 ||| SWAPPING to +6 heavy broad axe.
 38707 | D:14     | 38707 ||| SWAPPING to +9 broad axe "Kosum" {antimagic,
                  | rC+}.
 38708 | D:14     | 38708 ||| SWAPPING to +6 heavy broad axe.
 38709 | D:14     | 38709 ||| SWAPPING to +9 broad axe "Kosum" {antimagic,
                  | rC+}.
 38710 | D:14     | 38710 ||| SWAPPING to +6 heavy broad axe.
 38711 | D:14     | 38711 ||| SWAPPING to +9 broad axe "Kosum" {antimagic,
                  | rC+}.
 38712 | D:14     | 38712 ||| SWAPPING to +6 heavy broad axe.
 38713 | D:14     | 38713 ||| SWAPPING to +9 broad axe "Kosum" {antimagic,
                  | rC+}.
 38714 | D:14     | 38714 ||| SWAPPING to +6 heavy broad axe.
 38715 | D:14     | 38715 ||| SWAPPING to +9 broad axe "Kosum" {antimagic,
                  | rC+}.
 38716 | D:14     | 38716 ||| SWAPPING to +6 heavy broad axe.
 38717 | D:14     | 38717 ||| SWAPPING to +9 broad axe "Kosum" {antimagic,
                  | rC+}.
 38718 | D:14     | 38718 ||| SWAPPING to +6 heavy broad axe.
 38719 | D:14     | 38719 ||| SWAPPING to +9 broad axe "Kosum" {antimagic,
                  | rC+}.
 38720 | D:14     | 38720 ||| SWAPPING to +6 heavy broad axe.
 38721 | D:14     | 38721 ||| SWAPPING to +9 broad axe "Kosum" {antimagic,
                  | rC+}.
 38722 | D:14     | 38722 ||| SWAPPING to +6 heavy broad axe.
 38723 | D:14     | 38723 ||| SWAPPING to +9 broad axe "Kosum" {antimagic,
                  | rC+}.
 38724 | D:14     | 38724 ||| SWAPPING to +6 heavy broad axe.
 38725 | D:14     | 38725 ||| SWAPPING to +9 broad axe "Kosum" {antimagic,
                  | rC+}.
 38726 | D:14     | 38726 ||| SWAPPING to +6 heavy broad axe.
 38727 | D:14     | 38727 ||| SWAPPING to +9 broad axe "Kosum" {antimagic,
                  | rC+}.
 38728 | D:14     | 38728 ||| SWAPPING to +6 heavy broad axe.
 38729 | D:14     | 38729 ||| SWAPPING to +9 broad axe "Kosum" {antimagic,
                  | rC+}.
 38730 | D:14     | 38730 ||| SWAPPING to +6 heavy broad axe.
 38731 | D:14     | 38731 ||| SWAPPING to +9 broad axe "Kosum" {antimagic,
                  | rC+}.
 38732 | D:14     | 38732 ||| SWAPPING to +6 heavy broad axe.
 38733 | D:14     | 38733 ||| SWAPPING to +9 broad axe "Kosum" {antimagic,
                  | rC+}.
 38734 | D:14     | 38734 ||| SWAPPING to +6 heavy broad axe.
 38735 | D:14     | 38735 ||| SWAPPING to +9 broad axe "Kosum" {antimagic,
                  | rC+}.
 38736 | D:14     | 38736 ||| SWAPPING to +6 heavy broad axe.
 38737 | D:14     | 38737 ||| SWAPPING to +9 broad axe "Kosum" {antimagic,
                  | rC+}.
 38738 | D:14     | 38738 ||| SWAPPING to +6 heavy broad axe.
 38739 | D:14     | 38739 ||| SWAPPING to +9 broad axe "Kosum" {antimagic,
                  | rC+}.
 38740 | D:14     | 38740 ||| SWAPPING to +6 heavy broad axe.
 38741 | D:14     | 38741 ||| SWAPPING to +9 broad axe "Kosum" {antimagic,
                  | rC+}.
 38742 | D:14     | 38742 ||| SWAPPING to +6 heavy broad axe.
 38743 | D:14     | 38743 ||| SWAPPING to +9 broad axe "Kosum" {antimagic,
                  | rC+}.
 38744 | D:14     | 38744 ||| SWAPPING to +6 heavy broad axe.
 38745 | D:14     | 38745 ||| SWAPPING to +9 broad axe "Kosum" {antimagic,
                  | rC+}.
 38746 | D:14     | 38746 ||| SWAPPING to +6 heavy broad axe.
 38747 | D:14     | 38747 ||| SWAPPING to +9 broad axe "Kosum" {antimagic,
                  | rC+}.
 38748 | D:14     | 38748 ||| SWAPPING to +6 heavy broad axe.
 38749 | D:14     | 38749 ||| SWAPPING to +9 broad axe "Kosum" {antimagic,
                  | rC+}.
 38750 | D:14     | 38750 ||| SWAPPING to +6 heavy broad axe.
 38751 | D:14     | 38751 ||| SWAPPING to +9 broad axe "Kosum" {antimagic,
                  | rC+}.
 38752 | D:14     | 38752 ||| SWAPPING to +6 heavy broad axe.
 38753 | D:14     | 38753 ||| SWAPPING to +9 broad axe "Kosum" {antimagic,
                  | rC+}.
 38754 | D:14     | 38754 ||| SWAPPING to +6 heavy broad axe.
 38755 | D:14     | 38755 ||| SWAPPING to +9 broad axe "Kosum" {antimagic,
                  | rC+}.
 38756 | D:14     | 38756 ||| SWAPPING to +6 heavy broad axe.
 38757 | D:14     | 38757 ||| SWAPPING to +9 broad axe "Kosum" {antimagic,
                  | rC+}.
 38758 | D:14     | 38758 ||| SWAPPING to +6 heavy broad axe.
 38759 | D:14     | 38759 ||| SWAPPING to +9 broad axe "Kosum" {antimagic,
                  | rC+}.
 38760 | D:14     | 38760 ||| SWAPPING to +6 heavy broad axe.
 38761 | D:14     | 38761 ||| SWAPPING to +9 broad axe "Kosum" {antimagic,
                  | rC+}.
 38762 | D:14     | 38762 ||| SWAPPING to +6 heavy broad axe.
 38763 | D:14     | 38763 ||| SWAPPING to +9 broad axe "Kosum" {antimagic,
                  | rC+}.
 38764 | D:14     | 38764 ||| SWAPPING to +6 heavy broad axe.
 38765 | D:14     | 38765 ||| SWAPPING to +9 broad axe "Kosum" {antimagic,
                  | rC+}.
 38766 | D:14     | 38766 ||| SWAPPING to +6 heavy broad axe.
 38767 | D:14     | 38767 ||| SWAPPING to +9 broad axe "Kosum" {antimagic,
                  | rC+}.
 38768 | D:14     | 38768 ||| SWAPPING to +6 heavy broad axe.
 38769 | D:14     | 38769 ||| SWAPPING to +9 broad axe "Kosum" {antimagic,
                  | rC+}.
 38770 | D:14     | 38770 ||| SWAPPING to +6 heavy broad axe.
 38771 | D:14     | 38771 ||| SWAPPING to +9 broad axe "Kosum" {antimagic,
                  | rC+}.
 38772 | D:14     | 38772 ||| SWAPPING to +6 heavy broad axe.
 38773 | D:14     | 38773 ||| SWAPPING to +9 broad axe "Kosum" {antimagic,
                  | rC+}.
 38774 | D:14     | 38774 ||| SWAPPING to +6 heavy broad axe.
 38775 | D:14     | 38775 ||| SWAPPING to +9 broad axe "Kosum" {antimagic,
                  | rC+}.
 38776 | D:14     | 38776 ||| SWAPPING to +6 heavy broad axe.
 38777 | D:14     | 38777 ||| SWAPPING to +9 broad axe "Kosum" {antimagic,
                  | rC+}.
 38778 | D:14     | 38778 ||| SWAPPING to +6 heavy broad axe.
 38779 | D:14     | 38779 ||| SWAPPING to +9 broad axe "Kosum" {antimagic,
                  | rC+}.
 38780 | D:14     | 38780 ||| SWAPPING to +6 heavy broad axe.
 38781 | D:14     | 38781 ||| SWAPPING to +9 broad axe "Kosum" {antimagic,
                  | rC+}.
 38782 | D:14     | 38782 ||| SWAPPING to +6 heavy broad axe.
 38783 | D:14     | 38783 ||| SWAPPING to +9 broad axe "Kosum" {antimagic,
                  | rC+}.
 38784 | D:14     | 38784 ||| SWAPPING to +6 heavy broad axe.
 38785 | D:14     | 38785 ||| SWAPPING to +9 broad axe "Kosum" {antimagic,
                  | rC+}.
 38786 | D:14     | 38786 ||| SWAPPING to +6 heavy broad axe.
 38787 | D:14     | 38787 ||| SWAPPING to +9 broad axe "Kosum" {antimagic,
                  | rC+}.
 38788 | D:14     | 38788 ||| SWAPPING to +6 heavy broad axe.
 38789 | D:14     | 38789 ||| SWAPPING to +9 broad axe "Kosum" {antimagic,
                  | rC+}.
 38790 | D:14     | 38790 ||| SWAPPING to +6 heavy broad axe.
 38791 | D:14     | 38791 ||| SWAPPING to +9 broad axe "Kosum" {antimagic,
                  | rC+}.
 38792 | D:14     | 38792 ||| SWAPPING to +6 heavy broad axe.
 38793 | D:14     | 38793 ||| SWAPPING to +9 broad axe "Kosum" {antimagic,
                  | rC+}.
 38794 | D:14     | 38794 ||| SWAPPING to +6 heavy broad axe.
 38795 | D:14     | 38795 ||| SWAPPING to +9 broad axe "Kosum" {antimagic,
                  | rC+}.
 38796 | D:14     | 38796 ||| SWAPPING to +6 heavy broad axe.
 38797 | D:14     | 38797 ||| SWAPPING to +9 broad axe "Kosum" {antimagic,
                  | rC+}.
 38798 | D:14     | 38798 ||| SWAPPING to +6 heavy broad axe.
 38799 | D:14     | 38799 ||| SWAPPING to +9 broad axe "Kosum" {antimagic,
                  | rC+}.
 38800 | D:14     | 38800 ||| SWAPPING to +6 heavy broad axe.
 38801 | D:14     | 38801 ||| SWAPPING to +9 broad axe "Kosum" {antimagic,
                  | rC+}.
 38802 | D:14     | 38802 ||| SWAPPING to +6 heavy broad axe.
 38803 | D:14     | 38803 ||| SWAPPING to +9 broad axe "Kosum" {antimagic,
                  | rC+}.
 38804 | D:14     | 38804 ||| SWAPPING to +6 heavy broad axe.
 38805 | D:14     | 38805 ||| SWAPPING to +9 broad axe "Kosum" {antimagic,
                  | rC+}.
 38806 | D:14     | 38806 ||| SWAPPING to +6 heavy broad axe.
 38807 | D:14     | 38807 ||| SWAPPING to +9 broad axe "Kosum" {antimagic,
                  | rC+}.
 38808 | D:14     | 38808 ||| SWAPPING to +6 heavy broad axe.
 38809 | D:14     | 38809 ||| SWAPPING to +9 broad axe "Kosum" {antimagic,
                  | rC+}.
 38810 | D:14     | 38810 ||| SWAPPING to +6 heavy broad axe.
 38811 | D:14     | 38811 ||| SWAPPING to +9 broad axe "Kosum" {antimagic,
                  | rC+}.
 38812 | D:14     | 38812 ||| SWAPPING to +6 heavy broad axe.
 38813 | D:14     | 38813 ||| SWAPPING to +9 broad axe "Kosum" {antimagic,
                  | rC+}.
 38814 | D:14     | 38814 ||| SWAPPING to +6 heavy broad axe.
 38815 | D:14     | 38815 ||| SWAPPING to +9 broad axe "Kosum" {antimagic,
                  | rC+}.
 38816 | D:14     | 38816 ||| SWAPPING to +6 heavy broad axe.
 38817 | D:14     | 38817 ||| SWAPPING to +9 broad axe "Kosum" {antimagic,
                  | rC+}.
 38818 | D:14     | 38818 ||| SWAPPING to +6 heavy broad axe.
 38819 | D:14     | 38819 ||| SWAPPING to +9 broad axe "Kosum" {antimagic,
                  | rC+}.
 38820 | D:14     | 38820 ||| SWAPPING to +6 heavy broad axe.
 38821 | D:14     | 38821 ||| SWAPPING to +9 broad axe "Kosum" {antimagic,
                  | rC+}.
 38822 | D:14     | 38822 ||| SWAPPING to +6 heavy broad axe.
 38823 | D:14     | 38823 ||| SWAPPING to +9 broad axe "Kosum" {antimagic,
                  | rC+}.
 38824 | D:14     | 38824 ||| SWAPPING to +6 heavy broad axe.
 38825 | D:14     | 38825 ||| SWAPPING to +9 broad axe "Kosum" {antimagic,
                  | rC+}.
 38826 | D:14     | 38826 ||| SWAPPING to +6 heavy broad axe.
 38827 | D:14     | 38827 ||| SWAPPING to +9 broad axe "Kosum" {antimagic,
                  | rC+}.
 38828 | D:14     | 38828 ||| SWAPPING to +6 heavy broad axe.
 38829 | D:14     | 38829 ||| SWAPPING to +9 broad axe "Kosum" {antimagic,
                  | rC+}.
 38830 | D:14     | 38830 ||| SWAPPING to +6 heavy broad axe.
 38831 | D:14     | 38831 ||| SWAPPING to +9 broad axe "Kosum" {antimagic,
                  | rC+}.
 38832 | D:14     | 38832 ||| SWAPPING to +6 heavy broad axe.
 38833 | D:14     | 38833 ||| SWAPPING to +9 broad axe "Kosum" {antimagic,
                  | rC+}.
 38834 | D:14     | 38834 ||| SWAPPING to +6 heavy broad axe.
 38835 | D:14     | 38835 ||| SWAPPING to +9 broad axe "Kosum" {antimagic,
                  | rC+}.
 38836 | D:14     | 38836 ||| SWAPPING to +6 heavy broad axe.
 38837 | D:14     | 38837 ||| SWAPPING to +9 broad axe "Kosum" {antimagic,
                  | rC+}.
 38838 | D:14     | 38838 ||| SWAPPING to +6 heavy broad axe.
 38839 | D:14     | 38839 ||| SWAPPING to +9 broad axe "Kosum" {antimagic,
                  | rC+}.
 38840 | D:14     | 38840 ||| SWAPPING to +6 heavy broad axe.
 38841 | D:14     | 38841 ||| SWAPPING to +9 broad axe "Kosum" {antimagic,
                  | rC+}.
 38842 | D:14     | 38842 ||| SWAPPING to +6 heavy broad axe.
 38843 | D:14     | 38843 ||| SWAPPING to +9 broad axe "Kosum" {antimagic,
                  | rC+}.
 38844 | D:14     | 38844 ||| SWAPPING to +6 heavy broad axe.
 38845 | D:14     | 38845 ||| SWAPPING to +9 broad axe "Kosum" {antimagic,
                  | rC+}.
 38846 | D:14     | 38846 ||| SWAPPING to +6 heavy broad axe.
 38847 | D:14     | 38847 ||| SWAPPING to +9 broad axe "Kosum" {antimagic,
                  | rC+}.
 38848 | D:14     | 38848 ||| SWAPPING to +6 heavy broad axe.
 38849 | D:14     | 38849 ||| SWAPPING to +9 broad axe "Kosum" {antimagic,
                  | rC+}.
 38850 | D:14     | 38850 ||| SWAPPING to +6 heavy broad axe.
 38851 | D:14     | 38851 ||| SWAPPING to +9 broad axe "Kosum" {antimagic,
                  | rC+}.
 38852 | D:14     | 38852 ||| SWAPPING to +6 heavy broad axe.
 38853 | D:14     | 38853 ||| SWAPPING to +9 broad axe "Kosum" {antimagic,
                  | rC+}.
 38854 | D:14     | 38854 ||| SWAPPING to +6 heavy broad axe.
 38855 | D:14     | 38855 ||| SWAPPING to +9 broad axe "Kosum" {antimagic,
                  | rC+}.
 38856 | D:14     | 38856 ||| SWAPPING to +6 heavy broad axe.
 38857 | D:14     | 38857 ||| SWAPPING to +9 broad axe "Kosum" {antimagic,
                  | rC+}.
 38858 | D:14     | 38858 ||| SWAPPING to +6 heavy broad axe.
 38859 | D:14     | 38859 ||| SWAPPING to +9 broad axe "Kosum" {antimagic,
                  | rC+}.
 38860 | D:14     | 38860 ||| SWAPPING to +6 heavy broad axe.
 38861 | D:14     | 38861 ||| SWAPPING to +9 broad axe "Kosum" {antimagic,
                  | rC+}.
 38862 | D:14     | 38862 ||| SWAPPING to +6 heavy broad axe.
 38863 | D:14     | 38863 ||| SWAPPING to +9 broad axe "Kosum" {antimagic,
                  | rC+}.
 38864 | D:14     | 38864 ||| SWAPPING to +6 heavy broad axe.
 38865 | D:14     | 38865 ||| SWAPPING to +9 broad axe "Kosum" {antimagic,
                  | rC+}.
 38866 | D:14     | 38866 ||| SWAPPING to +6 heavy broad axe.
 38867 | D:14     | 38867 ||| SWAPPING to +9 broad axe "Kosum" {antimagic,
                  | rC+}.
 38868 | D:14     | 38868 ||| SWAPPING to +6 heavy broad axe.
 38869 | D:14     | 38869 ||| SWAPPING to +9 broad axe "Kosum" {antimagic,
                  | rC+}.
 38870 | D:14     | 38870 ||| SWAPPING to +6 heavy broad axe.
 38871 | D:14     | 38871 ||| SWAPPING to +9 broad axe "Kosum" {antimagic,
                  | rC+}.
 38872 | D:14     | 38872 ||| SWAPPING to +6 heavy broad axe.
 38873 | D:14     | 38873 ||| SWAPPING to +9 broad axe "Kosum" {antimagic,
                  | rC+}.
 38874 | D:14     | 38874 ||| SWAPPING to +6 heavy broad axe.
 38875 | D:14     | 38875 ||| SWAPPING to +9 broad axe "Kosum" {antimagic,
                  | rC+}.
 38876 | D:14     | 38876 ||| SWAPPING to +6 heavy broad axe.
 38877 | D:14     | 38877 ||| SWAPPING to +9 broad axe "Kosum" {antimagic,
                  | rC+}.
 38878 | D:14     | 38878 ||| SWAPPING to +6 heavy broad axe.
 38879 | D:14     | 38879 ||| SWAPPING to +9 broad axe "Kosum" {antimagic,
                  | rC+}.
 38880 | D:14     | 38880 ||| SWAPPING to +6 heavy broad axe.
 38881 | D:14     | 38881 ||| SWAPPING to +9 broad axe "Kosum" {antimagic,
                  | rC+}.
 38882 | D:14     | 38882 ||| SWAPPING to +6 heavy broad axe.
 38883 | D:14     | 38883 ||| SWAPPING to +9 broad axe "Kosum" {antimagic,
                  | rC+}.
 38884 | D:14     | 38884 ||| SWAPPING to +6 heavy broad axe.
 38885 | D:14     | 38885 ||| SWAPPING to +9 broad axe "Kosum" {antimagic,
                  | rC+}.
 38886 | D:14     | 38886 ||| SWAPPING to +6 heavy broad axe.
 38887 | D:14     | 38887 ||| SWAPPING to +9 broad axe "Kosum" {antimagic,
                  | rC+}.
 38888 | D:14     | 38888 ||| SWAPPING to +6 heavy broad axe.
 38889 | D:14     | 38889 ||| SWAPPING to +9 broad axe "Kosum" {antimagic,
                  | rC+}.
 38890 | D:14     | 38890 ||| SWAPPING to +6 heavy broad axe.
 38891 | D:14     | 38891 ||| SWAPPING to +9 broad axe "Kosum" {antimagic,
                  | rC+}.
 38892 | D:14     | 38892 ||| SWAPPING to +6 heavy broad axe.
 38893 | D:14     | 38893 ||| SWAPPING to +9 broad axe "Kosum" {antimagic,
                  | rC+}.
 38894 | D:14     | 38894 ||| SWAPPING to +6 heavy broad axe.
 38895 | D:14     | 38895 ||| SWAPPING to +9 broad axe "Kosum" {antimagic,
                  | rC+}.
 38896 | D:14     | 38896 ||| SWAPPING to +6 heavy broad axe.
 38897 | D:14     | 38897 ||| SWAPPING to +9 broad axe "Kosum" {antimagic,
                  | rC+}.
 38898 | D:14     | 38898 ||| SWAPPING to +6 heavy broad axe.
 38899 | D:14     | 38899 ||| SWAPPING to +9 broad axe "Kosum" {antimagic,
                  | rC+}.
 38900 | D:14     | 38900 ||| SWAPPING to +6 heavy broad axe.
 38901 | D:14     | 38901 ||| SWAPPING to +9 broad axe "Kosum" {antimagic,
                  | rC+}.
 38902 | D:14     | 38902 ||| SWAPPING to +6 heavy broad axe.
 38903 | D:14     | 38903 ||| SWAPPING to +9 broad axe "Kosum" {antimagic,
                  | rC+}.
 38904 | D:14     | 38904 ||| SWAPPING to +6 heavy broad axe.
 38905 | D:14     | 38905 ||| SWAPPING to +9 broad axe "Kosum" {antimagic,
                  | rC+}.
 38906 | D:14     | 38906 ||| SWAPPING to +6 heavy broad axe.
 38907 | D:14     | 38907 ||| SWAPPING to +9 broad axe "Kosum" {antimagic,
                  | rC+}.
 38908 | D:14     | 38908 ||| SWAPPING to +6 heavy broad axe.
 38909 | D:14     | 38909 ||| SWAPPING to +9 broad axe "Kosum" {antimagic,
                  | rC+}.
 38910 | D:14     | 38910 ||| SWAPPING to +6 heavy broad axe.
 38911 | D:14     | 38911 ||| SWAPPING to +9 broad axe "Kosum" {antimagic,
                  | rC+}.
 38912 | D:14     | 38912 ||| SWAPPING to +6 heavy broad axe.
 38913 | D:14     | 38913 ||| SWAPPING to +9 broad axe "Kosum" {antimagic,
                  | rC+}.
 38914 | D:14     | 38914 ||| SWAPPING to +6 heavy broad axe.
 38915 | D:14     | 38915 ||| SWAPPING to +9 broad axe "Kosum" {antimagic,
                  | rC+}.
 38916 | D:14     | 38916 ||| SWAPPING to +6 heavy broad axe.
 38917 | D:14     | 38917 ||| SWAPPING to +9 broad axe "Kosum" {antimagic,
                  | rC+}.
 38918 | D:14     | 38918 ||| SWAPPING to +6 heavy broad axe.
 38919 | D:14     | 38919 ||| SWAPPING to +9 broad axe "Kosum" {antimagic,
                  | rC+}.
 38920 | D:14     | 38920 ||| SWAPPING to +6 heavy broad axe.
 38921 | D:14     | 38921 ||| SWAPPING to +9 broad axe "Kosum" {antimagic,
                  | rC+}.
 38922 | D:14     | 38922 ||| SWAPPING to +6 heavy broad axe.
 38923 | D:14     | 38923 ||| SWAPPING to +9 broad axe "Kosum" {antimagic,
                  | rC+}.
 38924 | D:14     | 38924 ||| SWAPPING to +6 heavy broad axe.
 38925 | D:14     | 38925 ||| SWAPPING to +9 broad axe "Kosum" {antimagic,
                  | rC+}.
 38926 | D:14     | 38926 ||| SWAPPING to +6 heavy broad axe.
 38927 | D:14     | 38927 ||| SWAPPING to +9 broad axe "Kosum" {antimagic,
                  | rC+}.
 38928 | D:14     | 38928 ||| SWAPPING to +6 heavy broad axe.
 38929 | D:14     | 38929 ||| SWAPPING to +9 broad axe "Kosum" {antimagic,
                  | rC+}.
 38930 | D:14     | 38930 ||| SWAPPING to +6 heavy broad axe.
 38931 | D:14     | 38931 ||| SWAPPING to +9 broad axe "Kosum" {antimagic,
                  | rC+}.
 38932 | D:14     | 38932 ||| SWAPPING to +6 heavy broad axe.
 38933 | D:14     | 38933 ||| SWAPPING to +9 broad axe "Kosum" {antimagic,
                  | rC+}.
 38934 | D:14     | 38934 ||| SWAPPING to +6 heavy broad axe.
 38935 | D:14     | 38935 ||| SWAPPING to +9 broad axe "Kosum" {antimagic,
                  | rC+}.
 38936 | D:14     | 38936 ||| SWAPPING to +6 heavy broad axe.
 38937 | D:14     | 38937 ||| SWAPPING to +9 broad axe "Kosum" {antimagic,
                  | rC+}.
 38938 | D:14     | 38938 ||| SWAPPING to +6 heavy broad axe.
 38939 | D:14     | 38939 ||| SWAPPING to +9 broad axe "Kosum" {antimagic,
                  | rC+}.
 38940 | D:14     | 38940 ||| SWAPPING to +6 heavy broad axe.
 38941 | D:14     | 38941 ||| SWAPPING to +9 broad axe "Kosum" {antimagic,
                  | rC+}.
 38942 | D:14     | 38942 ||| SWAPPING to +6 heavy broad axe.
 38943 | D:14     | 38943 ||| SWAPPING to +9 broad axe "Kosum" {antimagic,
                  | rC+}.
 38944 | D:14     | 38944 ||| SWAPPING to +6 heavy broad axe.
 38945 | D:14     | 38945 ||| SWAPPING to +9 broad axe "Kosum" {antimagic,
                  | rC+}.
 38946 | D:14     | 38946 ||| SWAPPING to +6 heavy broad axe.
 38947 | D:14     | 38947 ||| SWAPPING to +9 broad axe "Kosum" {antimagic,
                  | rC+}.
 38948 | D:14     | 38948 ||| SWAPPING to +6 heavy broad axe.
 38949 | D:14     | 38949 ||| SWAPPING to +9 broad axe "Kosum" {antimagic,
                  | rC+}.
 38950 | D:14     | 38950 ||| SWAPPING to +6 heavy broad axe.
 38951 | D:14     | 38951 ||| SWAPPING to +9 broad axe "Kosum" {antimagic,
                  | rC+}.
 38952 | D:14     | 38952 ||| SWAPPING to +6 heavy broad axe.
 38953 | D:14     | 38953 ||| SWAPPING to +9 broad axe "Kosum" {antimagic,
                  | rC+}.
 38954 | D:14     | 38954 ||| SWAPPING to +6 heavy broad axe.
 38955 | D:14     | 38955 ||| SWAPPING to +9 broad axe "Kosum" {antimagic,
                  | rC+}.
 38956 | D:14     | 38956 ||| SWAPPING to +6 heavy broad axe.
 38957 | D:14     | 38957 ||| SWAPPING to +9 broad axe "Kosum" {antimagic,
                  | rC+}.
 38958 | D:14     | 38958 ||| SWAPPING to +6 heavy broad axe.
 38959 | D:14     | 38959 ||| SWAPPING to +9 broad axe "Kosum" {antimagic,
                  | rC+}.
 38960 | D:14     | 38960 ||| SWAPPING to +6 heavy broad axe.
 38961 | D:14     | 38961 ||| SWAPPING to +9 broad axe "Kosum" {antimagic,
                  | rC+}.
 38962 | D:14     | 38962 ||| SWAPPING to +6 heavy broad axe.
 38963 | D:14     | 38963 ||| SWAPPING to +9 broad axe "Kosum" {antimagic,
                  | rC+}.
 38964 | D:14     | 38964 ||| SWAPPING to +6 heavy broad axe.
 38965 | D:14     | 38965 ||| SWAPPING to +9 broad axe "Kosum" {antimagic,
                  | rC+}.
 38966 | D:14     | 38966 ||| SWAPPING to +6 heavy broad axe.
 38967 | D:14     | 38967 ||| SWAPPING to +9 broad axe "Kosum" {antimagic,
                  | rC+}.
 38968 | D:14     | 38968 ||| SWAPPING to +6 heavy broad axe.
 38969 | D:14     | 38969 ||| SWAPPING to +9 broad axe "Kosum" {antimagic,
                  | rC+}.
 38970 | D:14     | 38970 ||| SWAPPING to +6 heavy broad axe.
 38971 | D:14     | 38971 ||| SWAPPING to +9 broad axe "Kosum" {antimagic,
                  | rC+}.
 38972 | D:14     | 38972 ||| SWAPPING to +6 heavy broad axe.
 38973 | D:14     | 38973 ||| SWAPPING to +9 broad axe "Kosum" {antimagic,
                  | rC+}.
 38974 | D:14     | 38974 ||| SWAPPING to +6 heavy broad axe.
 38975 | D:14     | 38975 ||| SWAPPING to +9 broad axe "Kosum" {antimagic,
                  | rC+}.
 38976 | D:14     | 38976 ||| SWAPPING to +6 heavy broad axe.
 38977 | D:14     | 38977 ||| SWAPPING to +9 broad axe "Kosum" {antimagic,
                  | rC+}.
 38978 | D:14     | 38978 ||| SWAPPING to +6 heavy broad axe.
 38979 | D:14     | 38979 ||| SWAPPING to +9 broad axe "Kosum" {antimagic,
                  | rC+}.
 38980 | D:14     | 38980 ||| SWAPPING to +6 heavy broad axe.
 38981 | D:14     | 38981 ||| SWAPPING to +9 broad axe "Kosum" {antimagic,
                  | rC+}.
 38982 | D:14     | 38982 ||| SWAPPING to +6 heavy broad axe.
 38983 | D:14     | 38983 ||| SWAPPING to +9 broad axe "Kosum" {antimagic,
                  | rC+}.
 38984 | D:14     | 38984 ||| SWAPPING to +6 heavy broad axe.
 38985 | D:14     | 38985 ||| SWAPPING to +9 broad axe "Kosum" {antimagic,
                  | rC+}.
 38986 | D:14     | 38986 ||| SWAPPING to +6 heavy broad axe.
 38987 | D:14     | 38987 ||| SWAPPING to +9 broad axe "Kosum" {antimagic,
                  | rC+}.
 38988 | D:14     | 38988 ||| SWAPPING to +6 heavy broad axe.
 38989 | D:14     | 38989 ||| SWAPPING to +9 broad axe "Kosum" {antimagic,
                  | rC+}.
 38990 | D:14     | 38990 ||| SWAPPING to +6 heavy broad axe.
 38991 | D:14     | 38991 ||| SWAPPING to +9 broad axe "Kosum" {antimagic,
                  | rC+}.
 38992 | D:14     | 38992 ||| SWAPPING to +6 heavy broad axe.
 38993 | D:14     | 38993 ||| SWAPPING to +9 broad axe "Kosum" {antimagic,
                  | rC+}.
 38994 | D:14     | 38994 ||| SWAPPING to +6 heavy broad axe.
 38995 | D:14     | 38995 ||| SWAPPING to +9 broad axe "Kosum" {antimagic,
                  | rC+}.
 38996 | D:14     | 38996 ||| SWAPPING to +6 heavy broad axe.
 38997 | D:14     | 38997 ||| SWAPPING to +9 broad axe "Kosum" {antimagic,
                  | rC+}.
 38998 | D:14     | 38998 ||| SWAPPING to +6 heavy broad axe.
 38999 | D:14     | 38999 ||| SWAPPING to +9 broad axe "Kosum" {antimagic,
                  | rC+}.
 39000 | D:14     | 39000 ||| SWAPPING to +6 heavy broad axe.
 39001 | D:14     | 39001 ||| SWAPPING to +9 broad axe "Kosum" {antimagic,
                  | rC+}.
 39002 | D:14     | 39002 ||| SWAPPING to +6 heavy broad axe.
 39003 | D:14     | 39003 ||| SWAPPING to +9 broad axe "Kosum" {antimagic,
                  | rC+}.
 39004 | D:14     | 39004 ||| SWAPPING to +6 heavy broad axe.
 39005 | D:14     | 39005 ||| SWAPPING to +9 broad axe "Kosum" {antimagic,
                  | rC+}.
 39006 | D:14     | 39006 ||| SWAPPING to +6 heavy broad axe.
 39007 | D:14     | 39007 ||| SWAPPING to +9 broad axe "Kosum" {antimagic,
                  | rC+}.
 39008 | D:14     | 39008 ||| SWAPPING to +6 heavy broad axe.
 39009 | D:14     | 39009 ||| SWAPPING to +9 broad axe "Kosum" {antimagic,
                  | rC+}.
 39010 | D:14     | 39010 ||| SWAPPING to +6 heavy broad axe.
 39011 | D:14     | 39011 ||| SWAPPING to +9 broad axe "Kosum" {antimagic,
                  | rC+}.
 39012 | D:14     | 39012 ||| SWAPPING to +6 heavy broad axe.
 39013 | D:14     | 39013 ||| SWAPPING to +9 broad axe "Kosum" {antimagic,
                  | rC+}.
 39014 | D:14     | 39014 ||| SWAPPING to +6 heavy broad axe.
 39015 | D:14     | 39015 ||| SWAPPING to +9 broad axe "Kosum" {antimagic,
                  | rC+}.
 39016 | D:14     | 39016 ||| SWAPPING to +6 heavy broad axe.
 39017 | D:14     | 39017 ||| SWAPPING to +9 broad axe "Kosum" {antimagic,
                  | rC+}.
 39018 | D:14     | 39018 ||| SWAPPING to +6 heavy broad axe.
 39019 | D:14     | 39019 ||| SWAPPING to +9 broad axe "Kosum" {antimagic,
                  | rC+}.
 39020 | D:14     | 39020 ||| SWAPPING to +6 heavy broad axe.
 39021 | D:14     | 39021 ||| SWAPPING to +9 broad axe "Kosum" {antimagic,
                  | rC+}.
 39022 | D:14     | 39022 ||| SWAPPING to +6 heavy broad axe.
 39023 | D:14     | 39023 ||| SWAPPING to +9 broad axe "Kosum" {antimagic,
                  | rC+}.
 39024 | D:14     | 39024 ||| SWAPPING to +6 heavy broad axe.
 39025 | D:14     | 39025 ||| SWAPPING to +9 broad axe "Kosum" {antimagic,
                  | rC+}.
 39026 | D:14     | 39026 ||| SWAPPING to +6 heavy broad axe.
 39027 | D:14     | 39027 ||| SWAPPING to +9 broad axe "Kosum" {antimagic,
                  | rC+}.
 39028 | D:14     | 39028 ||| SWAPPING to +6 heavy broad axe.
 39029 | D:14     | 39029 ||| SWAPPING to +9 broad axe "Kosum" {antimagic,
                  | rC+}.
 39030 | D:14     | 39030 ||| SWAPPING to +6 heavy broad axe.
 39031 | D:14     | 39031 ||| SWAPPING to +9 broad axe "Kosum" {antimagic,
                  | rC+}.
 39032 | D:14     | 39032 ||| SWAPPING to +6 heavy broad axe.
 39033 | D:14     | 39033 ||| SWAPPING to +9 broad axe "Kosum" {antimagic,
                  | rC+}.
 39034 | D:14     | 39034 ||| SWAPPING to +6 heavy broad axe.
 39035 | D:14     | 39035 ||| SWAPPING to +9 broad axe "Kosum" {antimagic,
                  | rC+}.
 39036 | D:14     | 39036 ||| SWAPPING to +6 heavy broad axe.
 39037 | D:14     | 39037 ||| SWAPPING to +9 broad axe "Kosum" {antimagic,
                  | rC+}.
 39038 | D:14     | 39038 ||| SWAPPING to +6 heavy broad axe.
 39039 | D:14     | 39039 ||| SWAPPING to +9 broad axe "Kosum" {antimagic,
                  | rC+}.
 39040 | D:14     | 39040 ||| SWAPPING to +6 heavy broad axe.
 39041 | D:14     | 39041 ||| SWAPPING to +9 broad axe "Kosum" {antimagic,
                  | rC+}.
 39042 | D:14     | 39042 ||| SWAPPING to +6 heavy broad axe.
 39043 | D:14     | 39043 ||| SWAPPING to +9 broad axe "Kosum" {antimagic,
                  | rC+}.
 39044 | D:14     | 39044 ||| SWAPPING to +6 heavy broad axe.
 39045 | D:14     | 39045 ||| SWAPPING to +9 broad axe "Kosum" {antimagic,
                  | rC+}.
 39046 | D:14     | 39046 ||| SWAPPING to +6 heavy broad axe.
 39047 | D:14     | 39047 ||| SWAPPING to +9 broad axe "Kosum" {antimagic,
                  | rC+}.
 39048 | D:14     | 39048 ||| SWAPPING to +6 heavy broad axe.
 39049 | D:14     | 39049 ||| SWAPPING to +9 broad axe "Kosum" {antimagic,
                  | rC+}.
 39050 | D:14     | 39050 ||| SWAPPING to +6 heavy broad axe.
 39051 | D:14     | 39051 ||| SWAPPING to +9 broad axe "Kosum" {antimagic,
                  | rC+}.
 39052 | D:14     | 39052 ||| SWAPPING to +6 heavy broad axe.
 39053 | D:14     | 39053 ||| SWAPPING to +9 broad axe "Kosum" {antimagic,
                  | rC+}.
 39054 | D:14     | 39054 ||| SWAPPING to +6 heavy broad axe.
 39055 | D:14     | 39055 ||| SWAPPING to +9 broad axe "Kosum" {antimagic,
                  | rC+}.
 39056 | D:14     | 39056 ||| SWAPPING to +6 heavy broad axe.
 39057 | D:14     | 39057 ||| SWAPPING to +9 broad axe "Kosum" {antimagic,
                  | rC+}.
 39058 | D:14     | 39058 ||| SWAPPING to +6 heavy broad axe.
 39059 | D:14     | 39059 ||| SWAPPING to +9 broad axe "Kosum" {antimagic,
                  | rC+}.
 39060 | D:14     | 39060 ||| SWAPPING to +6 heavy broad axe.
 39061 | D:14     | 39061 ||| SWAPPING to +9 broad axe "Kosum" {antimagic,
                  | rC+}.
 39062 | D:14     | 39062 ||| SWAPPING to +6 heavy broad axe.
 39063 | D:14     | 39063 ||| SWAPPING to +9 broad axe "Kosum" {antimagic,
                  | rC+}.
 39064 | D:14     | 39064 ||| SWAPPING to +6 heavy broad axe.
 39065 | D:14     | 39065 ||| SWAPPING to +9 broad axe "Kosum" {antimagic,
                  | rC+}.
 39066 | D:14     | 39066 ||| SWAPPING to +6 heavy broad axe.
 39067 | D:14     | 39067 ||| SWAPPING to +9 broad axe "Kosum" {antimagic,
                  | rC+}.
 39068 | D:14     | 39068 ||| SWAPPING to +6 heavy broad axe.
 39069 | D:14     | 39069 ||| SWAPPING to +9 broad axe "Kosum" {antimagic,
                  | rC+}.
 39070 | D:14     | 39070 ||| SWAPPING to +6 heavy broad axe.
 39071 | D:14     | 39071 ||| SWAPPING to +9 broad axe "Kosum" {antimagic,
                  | rC+}.
 39072 | D:14     | 39072 ||| SWAPPING to +6 heavy broad axe.
 39073 | D:14     | 39073 ||| SWAPPING to +9 broad axe "Kosum" {antimagic,
                  | rC+}.
 39074 | D:14     | 39074 ||| SWAPPING to +6 heavy broad axe.
 39075 | D:14     | 39075 ||| SWAPPING to +9 broad axe "Kosum" {antimagic,
                  | rC+}.
 39076 | D:14     | 39076 ||| SWAPPING to +6 heavy broad axe.
 39077 | D:14     | 39077 ||| SWAPPING to +9 broad axe "Kosum" {antimagic,
                  | rC+}.
 39078 | D:14     | 39078 ||| SWAPPING to +6 heavy broad axe.
 39079 | D:14     | 39079 ||| SWAPPING to +9 broad axe "Kosum" {antimagic,
                  | rC+}.
 39080 | D:14     | 39080 ||| SWAPPING to +6 heavy broad axe.
 39081 | D:14     | 39081 ||| SWAPPING to +9 broad axe "Kosum" {antimagic,
                  | rC+}.
 39082 | D:14     | 39082 ||| SWAPPING to +6 heavy broad axe.
 39083 | D:14     | 39083 ||| SWAPPING to +9 broad axe "Kosum" {antimagic,
                  | rC+}.
 39084 | D:14     | 39084 ||| SWAPPING to +6 heavy broad axe.
 39085 | D:14     | 39085 ||| SWAPPING to +9 broad axe "Kosum" {antimagic,
                  | rC+}.
 39086 | D:14     | 39086 ||| SWAPPING to +6 heavy broad axe.
 39087 | D:14     | 39087 ||| SWAPPING to +9 broad axe "Kosum" {antimagic,
                  | rC+}.
 39088 | D:14     | 39088 ||| SWAPPING to +6 heavy broad axe.
 39089 | D:14     | 39089 ||| SWAPPING to +9 broad axe "Kosum" {antimagic,
                  | rC+}.
 39090 | D:14     | 39090 ||| SWAPPING to +6 heavy broad axe.
 39091 | D:14     | 39091 ||| SWAPPING to +9 broad axe "Kosum" {antimagic,
                  | rC+}.
 39092 | D:14     | 39092 ||| SWAPPING to +6 heavy broad axe.
 39093 | D:14     | 39093 ||| SWAPPING to +9 broad axe "Kosum" {antimagic,
                  | rC+}.
 39094 | D:14     | 39094 ||| SWAPPING to +6 heavy broad axe.
 39095 | D:14     | 39095 ||| SWAPPING to +9 broad axe "Kosum" {antimagic,
                  | rC+}.
 39096 | D:14     | 39096 ||| SWAPPING to +6 heavy broad axe.
 39097 | D:14     | 39097 ||| SWAPPING to +9 broad axe "Kosum" {antimagic,
                  | rC+}.
 39098 | D:14     | 39098 ||| SWAPPING to +6 heavy broad axe.
 39099 | D:14     | 39099 ||| SWAPPING to +9 broad axe "Kosum" {antimagic,
                  | rC+}.
 39100 | D:14     | 39100 ||| SWAPPING to +6 heavy broad axe.
 39101 | D:14     | 39101 ||| SWAPPING to +9 broad axe "Kosum" {antimagic,
                  | rC+}.
 39102 | D:14     | 39102 ||| SWAPPING to +6 heavy broad axe.
 39103 | D:14     | 39103 ||| SWAPPING to +9 broad axe "Kosum" {antimagic,
                  | rC+}.
 39104 | D:14     | 39104 ||| SWAPPING to +6 heavy broad axe.
 39105 | D:14     | 39105 ||| SWAPPING to +9 broad axe "Kosum" {antimagic,
                  | rC+}.
 39106 | D:14     | 39106 ||| SWAPPING to +6 heavy broad axe.
 39107 | D:14     | 39107 ||| SWAPPING to +9 broad axe "Kosum" {antimagic,
                  | rC+}.
 39108 | D:14     | 39108 ||| SWAPPING to +6 heavy broad axe.
 39109 | D:14     | 39109 ||| SWAPPING to +9 broad axe "Kosum" {antimagic,
                  | rC+}.
 39110 | D:14     | 39110 ||| SWAPPING to +6 heavy broad axe.
 39111 | D:14     | 39111 ||| SWAPPING to +9 broad axe "Kosum" {antimagic,
                  | rC+}.
 39112 | D:14     | 39112 ||| SWAPPING to +6 heavy broad axe.
 39113 | D:14     | 39113 ||| SWAPPING to +9 broad axe "Kosum" {antimagic,
                  | rC+}.
 39114 | D:14     | 39114 ||| SWAPPING to +6 heavy broad axe.
 39115 | D:14     | 39115 ||| SWAPPING to +9 broad axe "Kosum" {antimagic,
                  | rC+}.
 39116 | D:14     | 39116 ||| SWAPPING to +6 heavy broad axe.
 39117 | D:14     | 39117 ||| SWAPPING to +9 broad axe "Kosum" {antimagic,
                  | rC+}.
 39118 | D:14     | 39118 ||| SWAPPING to +6 heavy broad axe.
 39119 | D:14     | 39119 ||| SWAPPING to +9 broad axe "Kosum" {antimagic,
                  | rC+}.
 39120 | D:14     | 39120 ||| SWAPPING to +6 heavy broad axe.
 39121 | D:14     | 39121 ||| SWAPPING to +9 broad axe "Kosum" {antimagic,
                  | rC+}.
 39122 | D:14     | 39122 ||| SWAPPING to +6 heavy broad axe.
 39123 | D:14     | 39123 ||| SWAPPING to +9 broad axe "Kosum" {antimagic,
                  | rC+}.
 39124 | D:14     | 39124 ||| SWAPPING to +6 heavy broad axe.
 39125 | D:14     | 39125 ||| SWAPPING to +9 broad axe "Kosum" {antimagic,
                  | rC+}.
 39126 | D:14     | 39126 ||| SWAPPING to +6 heavy broad axe.
 39127 | D:14     | 39127 ||| SWAPPING to +9 broad axe "Kosum" {antimagic,
                  | rC+}.
 39128 | D:14     | 39128 ||| SWAPPING to +6 heavy broad axe.
 39129 | D:14     | 39129 ||| SWAPPING to +9 broad axe "Kosum" {antimagic,
                  | rC+}.
 39130 | D:14     | 39130 ||| SWAPPING to +6 heavy broad axe.
 39131 | D:14     | 39131 ||| SWAPPING to +9 broad axe "Kosum" {antimagic,
                  | rC+}.
 39132 | D:14     | 39132 ||| SWAPPING to +6 heavy broad axe.
 39133 | D:14     | 39133 ||| SWAPPING to +9 broad axe "Kosum" {antimagic,
                  | rC+}.
 39134 | D:14     | 39134 ||| SWAPPING to +6 heavy broad axe.
 39135 | D:14     | 39135 ||| SWAPPING to +9 broad axe "Kosum" {antimagic,
                  | rC+}.
 39136 | D:14     | 39136 ||| SWAPPING to +6 heavy broad axe.
 39137 | D:14     | 39137 ||| SWAPPING to +9 broad axe "Kosum" {antimagic,
                  | rC+}.
 39138 | D:14     | 39138 ||| SWAPPING to +6 heavy broad axe.
 39139 | D:14     | 39139 ||| SWAPPING to +9 broad axe "Kosum" {antimagic,
                  | rC+}.
 39140 | D:14     | 39140 ||| SWAPPING to +6 heavy broad axe.
 39141 | D:14     | 39141 ||| SWAPPING to +9 broad axe "Kosum" {antimagic,
                  | rC+}.
 39142 | D:14     | 39142 ||| SWAPPING to +6 heavy broad axe.
 39143 | D:14     | 39143 ||| SWAPPING to +9 broad axe "Kosum" {antimagic,
                  | rC+}.
 39144 | D:14     | 39144 ||| SWAPPING to +6 heavy broad axe.
 39145 | D:14     | 39145 ||| SWAPPING to +9 broad axe "Kosum" {antimagic,
                  | rC+}.
 39146 | D:14     | 39146 ||| SWAPPING to +6 heavy broad axe.
 39147 | D:14     | 39147 ||| SWAPPING to +9 broad axe "Kosum" {antimagic,
                  | rC+}.
 39148 | D:14     | 39148 ||| SWAPPING to +6 heavy broad axe.
 39149 | D:14     | 39149 ||| SWAPPING to +9 broad axe "Kosum" {antimagic,
                  | rC+}.
 39150 | D:14     | 39150 ||| SWAPPING to +6 heavy broad axe.
 39151 | D:14     | 39151 ||| SWAPPING to +9 broad axe "Kosum" {antimagic,
                  | rC+}.
 39152 | D:14     | 39152 ||| SWAPPING to +6 heavy broad axe.
 39153 | D:14     | 39153 ||| SWAPPING to +9 broad axe "Kosum" {antimagic,
                  | rC+}.
 39154 | D:14     | 39154 ||| SWAPPING to +6 heavy broad axe.
 39155 | D:14     | 39155 ||| SWAPPING to +9 broad axe "Kosum" {antimagic,
                  | rC+}.
 39156 | D:14     | 39156 ||| SWAPPING to +6 heavy broad axe.
 39157 | D:14     | 39157 ||| SWAPPING to +9 broad axe "Kosum" {antimagic,
                  | rC+}.
 39158 | D:14     | 39158 ||| SWAPPING to +6 heavy broad axe.
 39159 | D:14     | 39159 ||| SWAPPING to +9 broad axe "Kosum" {antimagic,
                  | rC+}.
 39160 | D:14     | 39160 ||| SWAPPING to +6 heavy broad axe.
 39161 | D:14     | 39161 ||| SWAPPING to +9 broad axe "Kosum" {antimagic,
                  | rC+}.
 39162 | D:14     | 39162 ||| SWAPPING to +6 heavy broad axe.
 39163 | D:14     | 39163 ||| SWAPPING to +9 broad axe "Kosum" {antimagic,
                  | rC+}.
 39164 | D:14     | 39164 ||| SWAPPING to +6 heavy broad axe.
 39165 | D:14     | 39165 ||| SWAPPING to +9 broad axe "Kosum" {antimagic,
                  | rC+}.
 39166 | D:14     | 39166 ||| SWAPPING to +6 heavy broad axe.
 39167 | D:14     | 39167 ||| SWAPPING to +9 broad axe "Kosum" {antimagic,
                  | rC+}.
 39168 | D:14     | 39168 ||| SWAPPING to +6 heavy broad axe.
 39169 | D:14     | 39169 ||| SWAPPING to +9 broad axe "Kosum" {antimagic,
                  | rC+}.
 39170 | D:14     | 39170 ||| SWAPPING to +6 heavy broad axe.
 39171 | D:14     | 39171 ||| SWAPPING to +9 broad axe "Kosum" {antimagic,
                  | rC+}.
 39172 | D:14     | 39172 ||| SWAPPING to +6 heavy broad axe.
 39173 | D:14     | 39173 ||| SWAPPING to +9 broad axe "Kosum" {antimagic,
                  | rC+}.
 39174 | D:14     | 39174 ||| SWAPPING to +6 heavy broad axe.
 39175 | D:14     | 39175 ||| SWAPPING to +9 broad axe "Kosum" {antimagic,
                  | rC+}.
 39176 | D:14     | 39176 ||| SWAPPING to +6 heavy broad axe.
 39177 | D:14     | 39177 ||| SWAPPING to +9 broad axe "Kosum" {antimagic,
                  | rC+}.
 39178 | D:14     | 39178 ||| SWAPPING to +6 heavy broad axe.
 39179 | D:14     | 39179 ||| SWAPPING to +9 broad axe "Kosum" {antimagic,
                  | rC+}.
 39180 | D:14     | 39180 ||| SWAPPING to +6 heavy broad axe.
 39181 | D:14     | 39181 ||| SWAPPING to +9 broad axe "Kosum" {antimagic,
                  | rC+}.
 39182 | D:14     | 39182 ||| SWAPPING to +6 heavy broad axe.
 39183 | D:14     | 39183 ||| SWAPPING to +9 broad axe "Kosum" {antimagic,
                  | rC+}.
 39184 | D:14     | 39184 ||| SWAPPING to +6 heavy broad axe.
 39185 | D:14     | 39185 ||| SWAPPING to +9 broad axe "Kosum" {antimagic,
                  | rC+}.
 39186 | D:14     | 39186 ||| SWAPPING to +6 heavy broad axe.
 39187 | D:14     | 39187 ||| SWAPPING to +9 broad axe "Kosum" {antimagic,
                  | rC+}.
 39188 | D:14     | 39188 ||| SWAPPING to +6 heavy broad axe.
 39189 | D:14     | 39189 ||| SWAPPING to +9 broad axe "Kosum" {antimagic,
                  | rC+}.
 39190 | D:14     | 39190 ||| SWAPPING to +6 heavy broad axe.
 39191 | D:14     | 39191 ||| SWAPPING to +9 broad axe "Kosum" {antimagic,
                  | rC+}.
 39192 | D:14     | 39192 ||| SWAPPING to +6 heavy broad axe.
 39193 | D:14     | 39193 ||| SWAPPING to +9 broad axe "Kosum" {antimagic,
                  | rC+}.
 39194 | D:14     | 39194 ||| SWAPPING to +6 heavy broad axe.
 39195 | D:14     | 39195 ||| SWAPPING to +9 broad axe "Kosum" {antimagic,
                  | rC+}.
 39196 | D:14     | 39196 ||| SWAPPING to +6 heavy broad axe.
 39197 | D:14     | 39197 ||| SWAPPING to +9 broad axe "Kosum" {antimagic,
                  | rC+}.
 39198 | D:14     | 39198 ||| SWAPPING to +6 heavy broad axe.
 39199 | D:14     | 39199 ||| SWAPPING to +9 broad axe "Kosum" {antimagic,
                  | rC+}.
 39200 | D:14     | 39200 ||| SWAPPING to +6 heavy broad axe.
 39201 | D:14     | 39201 ||| SWAPPING to +9 broad axe "Kosum" {antimagic,
                  | rC+}.
 39202 | D:14     | 39202 ||| SWAPPING to +6 heavy broad axe.
 39203 | D:14     | 39203 ||| SWAPPING to +9 broad axe "Kosum" {antimagic,
                  | rC+}.
 39204 | D:14     | 39204 ||| SWAPPING to +6 heavy broad axe.
 39205 | D:14     | 39205 ||| SWAPPING to +9 broad axe "Kosum" {antimagic,
                  | rC+}.
 39206 | D:14     | 39206 ||| SWAPPING to +6 heavy broad axe.
 39207 | D:14     | 39207 ||| SWAPPING to +9 broad axe "Kosum" {antimagic,
                  | rC+}.
 39208 | D:14     | 39208 ||| SWAPPING to +6 heavy broad axe.
 39209 | D:14     | 39209 ||| SWAPPING to +9 broad axe "Kosum" {antimagic,
                  | rC+}.
 39210 | D:14     | 39210 ||| SWAPPING to +6 heavy broad axe.
 39211 | D:14     | 39211 ||| SWAPPING to +9 broad axe "Kosum" {antimagic,
                  | rC+}.
 39212 | D:14     | 39212 ||| SWAPPING to +6 heavy broad axe.
 39213 | D:14     | 39213 ||| SWAPPING to +9 broad axe "Kosum" {antimagic,
                  | rC+}.
 39214 | D:14     | 39214 ||| SWAPPING to +6 heavy broad axe.
 39215 | D:14     | 39215 ||| SWAPPING to +9 broad axe "Kosum" {antimagic,
                  | rC+}.
 39216 | D:14     | 39216 ||| SWAPPING to +6 heavy broad axe.
 39217 | D:14     | 39217 ||| SWAPPING to +9 broad axe "Kosum" {antimagic,
                  | rC+}.
 39218 | D:14     | 39218 ||| SWAPPING to +6 heavy broad axe.
 39219 | D:14     | 39219 ||| SWAPPING to +9 broad axe "Kosum" {antimagic,
                  | rC+}.
 39220 | D:14     | 39220 ||| SWAPPING to +6 heavy broad axe.
 39221 | D:14     | 39221 ||| SWAPPING to +9 broad axe "Kosum" {antimagic,
                  | rC+}.
 39222 | D:14     | 39222 ||| SWAPPING to +6 heavy broad axe.
 39223 | D:14     | 39223 ||| SWAPPING to +9 broad axe "Kosum" {antimagic,
                  | rC+}.
 39224 | D:14     | 39224 ||| SWAPPING to +6 heavy broad axe.
 39225 | D:14     | 39225 ||| SWAPPING to +9 broad axe "Kosum" {antimagic,
                  | rC+}.
 39226 | D:14     | 39226 ||| SWAPPING to +6 heavy broad axe.
 39227 | D:14     | 39227 ||| SWAPPING to +9 broad axe "Kosum" {antimagic,
                  | rC+}.
 39228 | D:14     | 39228 ||| SWAPPING to +6 heavy broad axe.
 39229 | D:14     | 39229 ||| SWAPPING to +9 broad axe "Kosum" {antimagic,
                  | rC+}.
 39230 | D:14     | 39230 ||| SWAPPING to +6 heavy broad axe.
 39231 | D:14     | 39231 ||| SWAPPING to +9 broad axe "Kosum" {antimagic,
                  | rC+}.
 39232 | D:14     | 39232 ||| SWAPPING to +6 heavy broad axe.
 39233 | D:14     | 39233 ||| SWAPPING to +9 broad axe "Kosum" {antimagic,
                  | rC+}.
 39234 | D:14     | 39234 ||| SWAPPING to +6 heavy broad axe.
 39235 | D:14     | 39235 ||| SWAPPING to +9 broad axe "Kosum" {antimagic,
                  | rC+}.
 39236 | D:14     | 39236 ||| SWAPPING to +6 heavy broad axe.
 39237 | D:14     | 39237 ||| SWAPPING to +9 broad axe "Kosum" {antimagic,
                  | rC+}.
 39238 | D:14     | 39238 ||| SWAPPING to +6 heavy broad axe.
 39239 | D:14     | 39239 ||| SWAPPING to +9 broad axe "Kosum" {antimagic,
                  | rC+}.
 39240 | D:14     | 39240 ||| SWAPPING to +6 heavy broad axe.
 39241 | D:14     | 39241 ||| SWAPPING to +9 broad axe "Kosum" {antimagic,
                  | rC+}.
 39242 | D:14     | 39242 ||| SWAPPING to +6 heavy broad axe.
 39243 | D:14     | 39243 ||| SWAPPING to +9 broad axe "Kosum" {antimagic,
                  | rC+}.
 39244 | D:14     | 39244 ||| SWAPPING to +6 heavy broad axe.
 39245 | D:14     | 39245 ||| SWAPPING to +9 broad axe "Kosum" {antimagic,
                  | rC+}.
 39246 | D:14     | 39246 ||| SWAPPING to +6 heavy broad axe.
 39247 | D:14     | 39247 ||| SWAPPING to +9 broad axe "Kosum" {antimagic,
                  | rC+}.
 39248 | D:14     | 39248 ||| SWAPPING to +6 heavy broad axe.
 39249 | D:14     | 39249 ||| SWAPPING to +9 broad axe "Kosum" {antimagic,
                  | rC+}.
 39250 | D:14     | 39250 ||| SWAPPING to +6 heavy broad axe.
 39251 | D:14     | 39251 ||| SWAPPING to +9 broad axe "Kosum" {antimagic,
                  | rC+}.
 39252 | D:14     | 39252 ||| SWAPPING to +6 heavy broad axe.
 39253 | D:14     | 39253 ||| SWAPPING to +9 broad axe "Kosum" {antimagic,
                  | rC+}.
 39254 | D:14     | 39254 ||| SWAPPING to +6 heavy broad axe.
 39255 | D:14     | 39255 ||| SWAPPING to +9 broad axe "Kosum" {antimagic,
                  | rC+}.
 39256 | D:14     | 39256 ||| SWAPPING to +6 heavy broad axe.
 39257 | D:14     | 39257 ||| SWAPPING to +9 broad axe "Kosum" {antimagic,
                  | rC+}.
 39258 | D:14     | 39258 ||| SWAPPING to +6 heavy broad axe.
 39259 | D:14     | 39259 ||| SWAPPING to +9 broad axe "Kosum" {antimagic,
                  | rC+}.
 39260 | D:14     | 39260 ||| SWAPPING to +6 heavy broad axe.
 39261 | D:14     | 39261 ||| SWAPPING to +9 broad axe "Kosum" {antimagic,
                  | rC+}.
 39262 | D:14     | 39262 ||| SWAPPING to +6 heavy broad axe.
 39263 | D:14     | 39263 ||| SWAPPING to +9 broad axe "Kosum" {antimagic,
                  | rC+}.
 39264 | D:14     | 39264 ||| SWAPPING to +6 heavy broad axe.
 39265 | D:14     | 39265 ||| SWAPPING to +9 broad axe "Kosum" {antimagic,
                  | rC+}.
 39266 | D:14     | 39266 ||| SWAPPING to +6 heavy broad axe.
 39267 | D:14     | 39267 ||| SWAPPING to +9 broad axe "Kosum" {antimagic,
                  | rC+}.
 39268 | D:14     | 39268 ||| SWAPPING to +6 heavy broad axe.
 39269 | D:14     | 39269 ||| SWAPPING to +9 broad axe "Kosum" {antimagic,
                  | rC+}.
 39270 | D:14     | 39270 ||| SWAPPING to +6 heavy broad axe.
 39271 | D:14     | 39271 ||| SWAPPING to +9 broad axe "Kosum" {antimagic,
                  | rC+}.
 39272 | D:14     | 39272 ||| SWAPPING to +6 heavy broad axe.
 39273 | D:14     | 39273 ||| SWAPPING to +9 broad axe "Kosum" {antimagic,
                  | rC+}.
 39274 | D:14     | 39274 ||| SWAPPING to +6 heavy broad axe.
 39275 | D:14     | 39275 ||| SWAPPING to +9 broad axe "Kosum" {antimagic,
                  | rC+}.
 39276 | D:14     | 39276 ||| SWAPPING to +6 heavy broad axe.
 39277 | D:14     | 39277 ||| SWAPPING to +9 broad axe "Kosum" {antimagic,
                  | rC+}.
 39278 | D:14     | 39278 ||| SWAPPING to +6 heavy broad axe.
 39279 | D:14     | 39279 ||| SWAPPING to +9 broad axe "Kosum" {antimagic,
                  | rC+}.
 39280 | D:14     | 39280 ||| SWAPPING to +6 heavy broad axe.
 39281 | D:14     | 39281 ||| SWAPPING to +9 broad axe "Kosum" {antimagic,
                  | rC+}.
 39282 | D:14     | 39282 ||| SWAPPING to +6 heavy broad axe.
 39283 | D:14     | 39283 ||| SWAPPING to +9 broad axe "Kosum" {antimagic,
                  | rC+}.
 39284 | D:14     | 39284 ||| SWAPPING to +6 heavy broad axe.
 39285 | D:14     | 39285 ||| SWAPPING to +9 broad axe "Kosum" {antimagic,
                  | rC+}.
 39286 | D:14     | 39286 ||| SWAPPING to +6 heavy broad axe.
 39287 | D:14     | 39287 ||| SWAPPING to +9 broad axe "Kosum" {antimagic,
                  | rC+}.
 39288 | D:14     | 39288 ||| SWAPPING to +6 heavy broad axe.
 39289 | D:14     | 39289 ||| SWAPPING to +9 broad axe "Kosum" {antimagic,
                  | rC+}.
 39290 | D:14     | 39290 ||| SWAPPING to +6 heavy broad axe.
 39291 | D:14     | 39291 ||| SWAPPING to +9 broad axe "Kosum" {antimagic,
                  | rC+}.
 39292 | D:14     | 39292 ||| SWAPPING to +6 heavy broad axe.
 39293 | D:14     | 39293 ||| SWAPPING to +9 broad axe "Kosum" {antimagic,
                  | rC+}.
 39294 | D:14     | 39294 ||| SWAPPING to +6 heavy broad axe.
 39295 | D:14     | 39295 ||| SWAPPING to +9 broad axe "Kosum" {antimagic,
                  | rC+}.
 39296 | D:14     | 39296 ||| SWAPPING to +6 heavy broad axe.
 39297 | D:14     | 39297 ||| SWAPPING to +9 broad axe "Kosum" {antimagic,
                  | rC+}.
 39298 | D:14     | 39298 ||| SWAPPING to +6 heavy broad axe.
 39299 | D:14     | 39299 ||| SWAPPING to +9 broad axe "Kosum" {antimagic,
                  | rC+}.
 39300 | D:14     | 39300 ||| SWAPPING to +6 heavy broad axe.
 39301 | D:14     | 39301 ||| SWAPPING to +9 broad axe "Kosum" {antimagic,
                  | rC+}.
 39302 | D:14     | 39302 ||| SWAPPING to +6 heavy broad axe.
 39303 | D:14     | 39303 ||| SWAPPING to +9 broad axe "Kosum" {antimagic,
                  | rC+}.
 39304 | D:14     | 39304 ||| SWAPPING to +6 heavy broad axe.
 39305 | D:14     | 39305 ||| SWAPPING to +9 broad axe "Kosum" {antimagic,
                  | rC+}.
 39306 | D:14     | 39306 ||| SWAPPING to +6 heavy broad axe.
 39307 | D:14     | 39307 ||| SWAPPING to +9 broad axe "Kosum" {antimagic,
                  | rC+}.
 39308 | D:14     | 39308 ||| SWAPPING to +6 heavy broad axe.
 39309 | D:14     | 39309 ||| SWAPPING to +9 broad axe "Kosum" {antimagic,
                  | rC+}.
 39310 | D:14     | 39310 ||| SWAPPING to +6 heavy broad axe.
 39311 | D:14     | 39311 ||| SWAPPING to +9 broad axe "Kosum" {antimagic,
                  | rC+}.
 39312 | D:14     | 39312 ||| SWAPPING to +6 heavy broad axe.
 39313 | D:14     | 39313 ||| SWAPPING to +9 broad axe "Kosum" {antimagic,
                  | rC+}.
 39314 | D:14     | 39314 ||| SWAPPING to +6 heavy broad axe.
 39315 | D:14     | 39315 ||| SWAPPING to +9 broad axe "Kosum" {antimagic,
                  | rC+}.
 39316 | D:14     | 39316 ||| SWAPPING to +6 heavy broad axe.
 39317 | D:14     | 39317 ||| SWAPPING to +9 broad axe "Kosum" {antimagic,
                  | rC+}.
 39318 | D:14     | 39318 ||| SWAPPING to +6 heavy broad axe.
 39319 | D:14     | 39319 ||| SWAPPING to +9 broad axe "Kosum" {antimagic,
                  | rC+}.
 39320 | D:14     | 39320 ||| SWAPPING to +6 heavy broad axe.
 39321 | D:14     | 39321 ||| SWAPPING to +9 broad axe "Kosum" {antimagic,
                  | rC+}.
 39322 | D:14     | 39322 ||| SWAPPING to +6 heavy broad axe.
 39323 | D:14     | 39323 ||| SWAPPING to +9 broad axe "Kosum" {antimagic,
                  | rC+}.
 39324 | D:14     | 39324 ||| SWAPPING to +6 heavy broad axe.
 39325 | D:14     | 39325 ||| SWAPPING to +9 broad axe "Kosum" {antimagic,
                  | rC+}.
 39326 | D:14     | 39326 ||| SWAPPING to +6 heavy broad axe.
 39327 | D:14     | 39327 ||| SWAPPING to +9 broad axe "Kosum" {antimagic,
                  | rC+}.
 39328 | D:14     | 39328 ||| SWAPPING to +6 heavy broad axe.
 39329 | D:14     | 39329 ||| SWAPPING to +9 broad axe "Kosum" {antimagic,
                  | rC+}.
 39330 | D:14     | 39330 ||| SWAPPING to +6 heavy broad axe.
 39331 | D:14     | 39331 ||| SWAPPING to +9 broad axe "Kosum" {antimagic,
                  | rC+}.
 39332 | D:14     | 39332 ||| SWAPPING to +6 heavy broad axe.
 39333 | D:14     | 39333 ||| SWAPPING to +9 broad axe "Kosum" {antimagic,
                  | rC+}.
 39334 | D:14     | 39334 ||| SWAPPING to +6 heavy broad axe.
 39335 | D:14     | 39335 ||| SWAPPING to +9 broad axe "Kosum" {antimagic,
                  | rC+}.
 39336 | D:14     | 39336 ||| SWAPPING to +6 heavy broad axe.
 39337 | D:14     | 39337 ||| SWAPPING to +9 broad axe "Kosum" {antimagic,
                  | rC+}.
 39338 | D:14     | 39338 ||| SWAPPING to +6 heavy broad axe.
 39339 | D:14     | 39339 ||| SWAPPING to +9 broad axe "Kosum" {antimagic,
                  | rC+}.
 39340 | D:14     | 39340 ||| SWAPPING to +6 heavy broad axe.
 39341 | D:14     | 39341 ||| SWAPPING to +9 broad axe "Kosum" {antimagic,
                  | rC+}.
 39342 | D:14     | 39342 ||| SWAPPING to +6 heavy broad axe.
 39343 | D:14     | 39343 ||| SWAPPING to +9 broad axe "Kosum" {antimagic,
                  | rC+}.
 39344 | D:14     | 39344 ||| SWAPPING to +6 heavy broad axe.
 39345 | D:14     | 39345 ||| SWAPPING to +9 broad axe "Kosum" {antimagic,
                  | rC+}.
 39346 | D:14     | 39346 ||| SWAPPING to +6 heavy broad axe.
 39347 | D:14     | 39347 ||| SWAPPING to +9 broad axe "Kosum" {antimagic,
                  | rC+}.
 39348 | D:14     | 39348 ||| SWAPPING to +6 heavy broad axe.
 39349 | D:14     | 39349 ||| SWAPPING to +9 broad axe "Kosum" {antimagic,
                  | rC+}.
 39350 | D:14     | 39350 ||| SWAPPING to +6 heavy broad axe.
 39351 | D:14     | 39351 ||| SWAPPING to +9 broad axe "Kosum" {antimagic,
                  | rC+}.
 39352 | D:14     | 39352 ||| SWAPPING to +6 heavy broad axe.
 39353 | D:14     | 39353 ||| SWAPPING to +9 broad axe "Kosum" {antimagic,
                  | rC+}.
 39354 | D:14     | 39354 ||| SWAPPING to +6 heavy broad axe.
 39355 | D:14     | 39355 ||| SWAPPING to +9 broad axe "Kosum" {antimagic,
                  | rC+}.
 39356 | D:14     | 39356 ||| SWAPPING to +6 heavy broad axe.
 39357 | D:14     | 39357 ||| SWAPPING to +9 broad axe "Kosum" {antimagic,
                  | rC+}.
 39358 | D:14     | 39358 ||| SWAPPING to +6 heavy broad axe.
 39359 | D:14     | 39359 ||| SWAPPING to +9 broad axe "Kosum" {antimagic,
                  | rC+}.
 39360 | D:14     | 39360 ||| SWAPPING to +6 heavy broad axe.
 39361 | D:14     | 39361 ||| SWAPPING to +9 broad axe "Kosum" {antimagic,
                  | rC+}.
 39362 | D:14     | 39362 ||| SWAPPING to +6 heavy broad axe.
 39363 | D:14     | 39363 ||| SWAPPING to +9 broad axe "Kosum" {antimagic,
                  | rC+}.
 39364 | D:14     | 39364 ||| SWAPPING to +6 heavy broad axe.
 39365 | D:14     | 39365 ||| SWAPPING to +9 broad axe "Kosum" {antimagic,
                  | rC+}.
 39366 | D:14     | 39366 ||| SWAPPING to +6 heavy broad axe.
 39367 | D:14     | 39367 ||| SWAPPING to +9 broad axe "Kosum" {antimagic,
                  | rC+}.
 39368 | D:14     | 39368 ||| SWAPPING to +6 heavy broad axe.
 39369 | D:14     | 39369 ||| SWAPPING to +9 broad axe "Kosum" {antimagic,
                  | rC+}.
 39370 | D:14     | 39370 ||| SWAPPING to +6 heavy broad axe.
 39371 | D:14     | 39371 ||| SWAPPING to +9 broad axe "Kosum" {antimagic,
                  | rC+}.
 39372 | D:14     | 39372 ||| SWAPPING to +6 heavy broad axe.
 39373 | D:14     | 39373 ||| SWAPPING to +9 broad axe "Kosum" {antimagic,
                  | rC+}.
 39374 | D:14     | 39374 ||| SWAPPING to +6 heavy broad axe.
 39375 | D:14     | 39375 ||| SWAPPING to +9 broad axe "Kosum" {antimagic,
                  | rC+}.
 39376 | D:14     | 39376 ||| SWAPPING to +6 heavy broad axe.
 39377 | D:14     | 39377 ||| SWAPPING to +9 broad axe "Kosum" {antimagic,
                  | rC+}.
 39378 | D:14     | 39378 ||| SWAPPING to +6 heavy broad axe.
 39379 | D:14     | 39379 ||| SWAPPING to +9 broad axe "Kosum" {antimagic,
                  | rC+}.
 39380 | D:14     | 39380 ||| SWAPPING to +6 heavy broad axe.
 39381 | D:14     | 39381 ||| SWAPPING to +9 broad axe "Kosum" {antimagic,
                  | rC+}.
 39382 | D:14     | 39382 ||| SWAPPING to +6 heavy broad axe.
 39383 | D:14     | 39383 ||| SWAPPING to +9 broad axe "Kosum" {antimagic,
                  | rC+}.
 39384 | D:14     | 39384 ||| SWAPPING to +6 heavy broad axe.
 39385 | D:14     | 39385 ||| SWAPPING to +9 broad axe "Kosum" {antimagic,
                  | rC+}.
 39386 | D:14     | 39386 ||| SWAPPING to +6 heavy broad axe.
 39387 | D:14     | 39387 ||| SWAPPING to +9 broad axe "Kosum" {antimagic,
                  | rC+}.
 39388 | D:14     | 39388 ||| SWAPPING to +6 heavy broad axe.
 39389 | D:14     | 39389 ||| SWAPPING to +9 broad axe "Kosum" {antimagic,
                  | rC+}.
 39390 | D:14     | 39390 ||| SWAPPING to +6 heavy broad axe.
 39391 | D:14     | 39391 ||| SWAPPING to +9 broad axe "Kosum" {antimagic,
                  | rC+}.
 39392 | D:14     | 39392 ||| SWAPPING to +6 heavy broad axe.
 39393 | D:14     | 39393 ||| SWAPPING to +9 broad axe "Kosum" {antimagic,
                  | rC+}.
 39394 | D:14     | 39394 ||| SWAPPING to +6 heavy broad axe.
 39395 | D:14     | 39395 ||| SWAPPING to +9 broad axe "Kosum" {antimagic,
                  | rC+}.
 39396 | D:14     | 39396 ||| SWAPPING to +6 heavy broad axe.
 39397 | D:14     | 39397 ||| SWAPPING to +9 broad axe "Kosum" {antimagic,
                  | rC+}.
 39398 | D:14     | 39398 ||| SWAPPING to +6 heavy broad axe.
 39399 | D:14     | 39399 ||| SWAPPING to +9 broad axe "Kosum" {antimagic,
                  | rC+}.
 39400 | D:14     | 39400 ||| SWAPPING to +6 heavy broad axe.
 39401 | D:14     | 39401 ||| SWAPPING to +9 broad axe "Kosum" {antimagic,
                  | rC+}.
 39402 | D:14     | 39402 ||| SWAPPING to +6 heavy broad axe.
 39403 | D:14     | 39403 ||| SWAPPING to +9 broad axe "Kosum" {antimagic,
                  | rC+}.
 39404 | D:14     | 39404 ||| SWAPPING to +6 heavy broad axe.
 39405 | D:14     | 39405 ||| SWAPPING to +9 broad axe "Kosum" {antimagic,
                  | rC+}.
 39406 | D:14     | 39406 ||| SWAPPING to +6 heavy broad axe.
 39407 | D:14     | 39407 ||| SWAPPING to +9 broad axe "Kosum" {antimagic,
                  | rC+}.
 39408 | D:14     | 39408 ||| SWAPPING to +6 heavy broad axe.
 39409 | D:14     | 39409 ||| SWAPPING to +9 broad axe "Kosum" {antimagic,
                  | rC+}.
 39410 | D:14     | 39410 ||| SWAPPING to +6 heavy broad axe.
 39411 | D:14     | 39411 ||| SWAPPING to +9 broad axe "Kosum" {antimagic,
                  | rC+}.
 39412 | D:14     | 39412 ||| SWAPPING to +6 heavy broad axe.
 39413 | D:14     | 39413 ||| SWAPPING to +9 broad axe "Kosum" {antimagic,
                  | rC+}.
 39414 | D:14     | 39414 ||| SWAPPING to +6 heavy broad axe.
 39415 | D:14     | 39415 ||| SWAPPING to +9 broad axe "Kosum" {antimagic,
                  | rC+}.
 39416 | D:14     | 39416 ||| SWAPPING to +6 heavy broad axe.
 39417 | D:14     | 39417 ||| SWAPPING to +9 broad axe "Kosum" {antimagic,
                  | rC+}.
 39418 | D:14     | 39418 ||| SWAPPING to +6 heavy broad axe.
 39419 | D:14     | 39419 ||| SWAPPING to +9 broad axe "Kosum" {antimagic,
                  | rC+}.
 39420 | D:14     | 39420 ||| SWAPPING to +6 heavy broad axe.
 39421 | D:14     | 39421 ||| SWAPPING to +9 broad axe "Kosum" {antimagic,
                  | rC+}.
 39422 | D:14     | 39422 ||| SWAPPING to +6 heavy broad axe.
 39423 | D:14     | 39423 ||| SWAPPING to +9 broad axe "Kosum" {antimagic,
                  | rC+}.
 39424 | D:14     | 39424 ||| SWAPPING to +6 heavy broad axe.
 39425 | D:14     | 39425 ||| SWAPPING to +9 broad axe "Kosum" {antimagic,
                  | rC+}.
 39426 | D:14     | 39426 ||| SWAPPING to +6 heavy broad axe.
 39427 | D:14     | 39427 ||| SWAPPING to +9 broad axe "Kosum" {antimagic,
                  | rC+}.
 39428 | D:14     | 39428 ||| SWAPPING to +6 heavy broad axe.
 39429 | D:14     | 39429 ||| SWAPPING to +9 broad axe "Kosum" {antimagic,
                  | rC+}.
 39430 | D:14     | 39430 ||| SWAPPING to +6 heavy broad axe.
 39431 | D:14     | 39431 ||| SWAPPING to +9 broad axe "Kosum" {antimagic,
                  | rC+}.
 39432 | D:14     | 39432 ||| SWAPPING to +6 heavy broad axe.
 39433 | D:14     | 39433 ||| SWAPPING to +9 broad axe "Kosum" {antimagic,
                  | rC+}.
 39434 | D:14     | 39434 ||| SWAPPING to +6 heavy broad axe.
 39435 | D:14     | 39435 ||| SWAPPING to +9 broad axe "Kosum" {antimagic,
                  | rC+}.
 39436 | D:14     | 39436 ||| SWAPPING to +6 heavy broad axe.
 39437 | D:14     | 39437 ||| SWAPPING to +9 broad axe "Kosum" {antimagic,
                  | rC+}.
 39438 | D:14     | 39438 ||| SWAPPING to +6 heavy broad axe.
 39439 | D:14     | 39439 ||| SWAPPING to +9 broad axe "Kosum" {antimagic,
                  | rC+}.
 39440 | D:14     | 39440 ||| SWAPPING to +6 heavy broad axe.
 39441 | D:14     | 39441 ||| SWAPPING to +9 broad axe "Kosum" {antimagic,
                  | rC+}.
 39442 | D:14     | 39442 ||| SWAPPING to +6 heavy broad axe.
 39443 | D:14     | 39443 ||| SWAPPING to +9 broad axe "Kosum" {antimagic,
                  | rC+}.
 39444 | D:14     | 39444 ||| SWAPPING to +6 heavy broad axe.
 39445 | D:14     | 39445 ||| SWAPPING to +9 broad axe "Kosum" {antimagic,
                  | rC+}.
 39446 | D:14     | 39446 ||| SWAPPING to +6 heavy broad axe.
 39447 | D:14     | 39447 ||| SWAPPING to +9 broad axe "Kosum" {antimagic,
                  | rC+}.
 39448 | D:14     | 39448 ||| SWAPPING to +6 heavy broad axe.
 39449 | D:14     | 39449 ||| SWAPPING to +9 broad axe "Kosum" {antimagic,
                  | rC+}.
 39450 | D:14     | 39450 ||| SWAPPING to +6 heavy broad axe.
 39451 | D:14     | 39451 ||| SWAPPING to +9 broad axe "Kosum" {antimagic,
                  | rC+}.
 39452 | D:14     | 39452 ||| SWAPPING to +6 heavy broad axe.
 39453 | D:14     | 39453 ||| SWAPPING to +9 broad axe "Kosum" {antimagic,
                  | rC+}.
 39454 | D:14     | 39454 ||| SWAPPING to +6 heavy broad axe.
 39455 | D:14     | 39455 ||| SWAPPING to +9 broad axe "Kosum" {antimagic,
                  | rC+}.
 39456 | D:14     | 39456 ||| SWAPPING to +6 heavy broad axe.
 39457 | D:14     | 39457 ||| SWAPPING to +9 broad axe "Kosum" {antimagic,
                  | rC+}.
 39458 | D:14     | 39458 ||| SWAPPING to +6 heavy broad axe.
 39459 | D:14     | 39459 ||| SWAPPING to +9 broad axe "Kosum" {antimagic,
                  | rC+}.
 39460 | D:14     | 39460 ||| SWAPPING to +6 heavy broad axe.
 39461 | D:14     | 39461 ||| SWAPPING to +9 broad axe "Kosum" {antimagic,
                  | rC+}.
 39462 | D:14     | 39462 ||| SWAPPING to +6 heavy broad axe.
 39463 | D:14     | 39463 ||| SWAPPING to +9 broad axe "Kosum" {antimagic,
                  | rC+}.
 39464 | D:14     | 39464 ||| SWAPPING to +6 heavy broad axe.
 39465 | D:14     | 39465 ||| SWAPPING to +9 broad axe "Kosum" {antimagic,
                  | rC+}.
 39466 | D:14     | 39466 ||| SWAPPING to +6 heavy broad axe.
 39467 | D:14     | 39467 ||| SWAPPING to +9 broad axe "Kosum" {antimagic,
                  | rC+}.
 39468 | D:14     | 39468 ||| SWAPPING to +6 heavy broad axe.
 39469 | D:14     | 39469 ||| SWAPPING to +9 broad axe "Kosum" {antimagic,
                  | rC+}.
 39470 | D:14     | 39470 ||| SWAPPING to +6 heavy broad axe.
 39471 | D:14     | 39471 ||| SWAPPING to +9 broad axe "Kosum" {antimagic,
                  | rC+}.
 39472 | D:14     | 39472 ||| SWAPPING to +6 heavy broad axe.
 39473 | D:14     | 39473 ||| SWAPPING to +9 broad axe "Kosum" {antimagic,
                  | rC+}.
 39474 | D:14     | 39474 ||| SWAPPING to +6 heavy broad axe.
 39475 | D:14     | 39475 ||| SWAPPING to +9 broad axe "Kosum" {antimagic,
                  | rC+}.
 39476 | D:14     | 39476 ||| SWAPPING to +6 heavy broad axe.
 39477 | D:14     | 39477 ||| SWAPPING to +9 broad axe "Kosum" {antimagic,
                  | rC+}.
 39478 | D:14     | 39478 ||| SWAPPING to +6 heavy broad axe.
 39479 | D:14     | 39479 ||| SWAPPING to +9 broad axe "Kosum" {antimagic,
                  | rC+}.
 39480 | D:14     | 39480 ||| SWAPPING to +6 heavy broad axe.
 39481 | D:14     | 39481 ||| SWAPPING to +9 broad axe "Kosum" {antimagic,
                  | rC+}.
 39482 | D:14     | 39482 ||| SWAPPING to +6 heavy broad axe.
 39483 | D:14     | 39483 ||| SWAPPING to +9 broad axe "Kosum" {antimagic,
                  | rC+}.
 39484 | D:14     | 39484 ||| SWAPPING to +6 heavy broad axe.
 39485 | D:14     | 39485 ||| SWAPPING to +9 broad axe "Kosum" {antimagic,
                  | rC+}.
 39486 | D:14     | 39486 ||| SWAPPING to +6 heavy broad axe.
 39487 | D:14     | 39487 ||| SWAPPING to +9 broad axe "Kosum" {antimagic,
                  | rC+}.
 39488 | D:14     | 39488 ||| SWAPPING to +6 heavy broad axe.
 39489 | D:14     | 39489 ||| SWAPPING to +9 broad axe "Kosum" {antimagic,
                  | rC+}.
 39490 | D:14     | 39490 ||| SWAPPING to +6 heavy broad axe.
 39491 | D:14     | 39491 ||| SWAPPING to +9 broad axe "Kosum" {antimagic,
                  | rC+}.
 39492 | D:14     | 39492 ||| SWAPPING to +6 heavy broad axe.
 39493 | D:14     | 39493 ||| SWAPPING to +9 broad axe "Kosum" {antimagic,
                  | rC+}.
 39494 | D:14     | 39494 ||| SWAPPING to +6 heavy broad axe.
 39495 | D:14     | 39495 ||| SWAPPING to +9 broad axe "Kosum" {antimagic,
                  | rC+}.
 39496 | D:14     | 39496 ||| SWAPPING to +6 heavy broad axe.
 39497 | D:14     | 39497 ||| SWAPPING to +9 broad axe "Kosum" {antimagic,
                  | rC+}.
 39498 | D:14     | 39498 ||| SWAPPING to +6 heavy broad axe.
 39499 | D:14     | 39499 ||| SWAPPING to +9 broad axe "Kosum" {antimagic,
                  | rC+}.
 39500 | D:14     | 39500 ||| SWAPPING to +6 heavy broad axe.
 39501 | D:14     | 39501 ||| SWAPPING to +9 broad axe "Kosum" {antimagic,
                  | rC+}.
 39502 | D:14     | 39502 ||| SWAPPING to +6 heavy broad axe.
 39503 | D:14     | 39503 ||| SWAPPING to +9 broad axe "Kosum" {antimagic,
                  | rC+}.
 39504 | D:14     | 39504 ||| SWAPPING to +6 heavy broad axe.
 39505 | D:14     | 39505 ||| SWAPPING to +9 broad axe "Kosum" {antimagic,
                  | rC+}.
 39506 | D:14     | 39506 ||| SWAPPING to +6 heavy broad axe.
 39507 | D:14     | 39507 ||| SWAPPING to +9 broad axe "Kosum" {antimagic,
                  | rC+}.
 39508 | D:14     | 39508 ||| SWAPPING to +6 heavy broad axe.
 39509 | D:14     | 39509 ||| SWAPPING to +9 broad axe "Kosum" {antimagic,
                  | rC+}.
 39510 | D:14     | 39510 ||| SWAPPING to +6 heavy broad axe.
 39511 | D:14     | 39511 ||| SWAPPING to +9 broad axe "Kosum" {antimagic,
                  | rC+}.
 39512 | D:14     | 39512 ||| SWAPPING to +6 heavy broad axe.
 39513 | D:14     | 39513 ||| SWAPPING to +9 broad axe "Kosum" {antimagic,
                  | rC+}.
 39514 | D:14     | 39514 ||| SWAPPING to +6 heavy broad axe.
 39515 | D:14     | 39515 ||| SWAPPING to +9 broad axe "Kosum" {antimagic,
                  | rC+}.
 39516 | D:14     | 39516 ||| SWAPPING to +6 heavy broad axe.
 39517 | D:14     | 39517 ||| SWAPPING to +9 broad axe "Kosum" {antimagic,
                  | rC+}.
 39518 | D:14     | 39518 ||| SWAPPING to +6 heavy broad axe.
 39519 | D:14     | 39519 ||| SWAPPING to +9 broad axe "Kosum" {antimagic,
                  | rC+}.
 39520 | D:14     | 39520 ||| SWAPPING to +6 heavy broad axe.
 39521 | D:14     | 39521 ||| SWAPPING to +9 broad axe "Kosum" {antimagic,
                  | rC+}.
 39522 | D:14     | 39522 ||| SWAPPING to +6 heavy broad axe.
 39523 | D:14     | 39523 ||| SWAPPING to +9 broad axe "Kosum" {antimagic,
                  | rC+}.
 39524 | D:14     | 39524 ||| SWAPPING to +6 heavy broad axe.
 39525 | D:14     | 39525 ||| SWAPPING to +9 broad axe "Kosum" {antimagic,
                  | rC+}.
 39526 | D:14     | 39526 ||| SWAPPING to +6 heavy broad axe.
 39527 | D:14     | 39527 ||| SWAPPING to +9 broad axe "Kosum" {antimagic,
                  | rC+}.
 39528 | D:14     | 39528 ||| SWAPPING to +6 heavy broad axe.
 39529 | D:14     | 39529 ||| SWAPPING to +9 broad axe "Kosum" {antimagic,
                  | rC+}.
 39530 | D:14     | 39530 ||| SWAPPING to +6 heavy broad axe.
 39531 | D:14     | 39531 ||| SWAPPING to +9 broad axe "Kosum" {antimagic,
                  | rC+}.
 39532 | D:14     | 39532 ||| SWAPPING to +6 heavy broad axe.
 39533 | D:14     | 39533 ||| SWAPPING to +9 broad axe "Kosum" {antimagic,
                  | rC+}.
 39534 | D:14     | 39534 ||| SWAPPING to +6 heavy broad axe.
 39535 | D:14     | 39535 ||| SWAPPING to +9 broad axe "Kosum" {antimagic,
                  | rC+}.
 39536 | D:14     | 39536 ||| SWAPPING to +6 heavy broad axe.
 39537 | D:14     | 39537 ||| SWAPPING to +9 broad axe "Kosum" {antimagic,
                  | rC+}.
 39538 | D:14     | 39538 ||| SWAPPING to +6 heavy broad axe.
 39539 | D:14     | 39539 ||| SWAPPING to +9 broad axe "Kosum" {antimagic,
                  | rC+}.
 39540 | D:14     | 39540 ||| SWAPPING to +6 heavy broad axe.
 39541 | D:14     | 39541 ||| SWAPPING to +9 broad axe "Kosum" {antimagic,
                  | rC+}.
 39542 | D:14     | 39542 ||| SWAPPING to +6 heavy broad axe.
 39543 | D:14     | 39543 ||| SWAPPING to +9 broad axe "Kosum" {antimagic,
                  | rC+}.
 39544 | D:14     | 39544 ||| SWAPPING to +6 heavy broad axe.
 39545 | D:14     | 39545 ||| SWAPPING to +9 broad axe "Kosum" {antimagic,
                  | rC+}.
 39546 | D:14     | 39546 ||| SWAPPING to +6 heavy broad axe.
 39547 | D:14     | 39547 ||| SWAPPING to +9 broad axe "Kosum" {antimagic,
                  | rC+}.
 39548 | D:14     | 39548 ||| SWAPPING to +6 heavy broad axe.
 39549 | D:14     | 39549 ||| SWAPPING to +9 broad axe "Kosum" {antimagic,
                  | rC+}.
 39550 | D:14     | 39550 ||| SWAPPING to +6 heavy broad axe.
 39551 | D:14     | 39551 ||| SWAPPING to +9 broad axe "Kosum" {antimagic,
                  | rC+}.
 39552 | D:14     | 39552 ||| SWAPPING to +6 heavy broad axe.
 39553 | D:14     | 39553 ||| SWAPPING to +9 broad axe "Kosum" {antimagic,
                  | rC+}.
 39554 | D:14     | 39554 ||| SWAPPING to +6 heavy broad axe.
 39555 | D:14     | 39555 ||| SWAPPING to +9 broad axe "Kosum" {antimagic,
                  | rC+}.
 39556 | D:14     | 39556 ||| SWAPPING to +6 heavy broad axe.
 39557 | D:14     | 39557 ||| SWAPPING to +9 broad axe "Kosum" {antimagic,
                  | rC+}.
 39558 | D:14     | 39558 ||| SWAPPING to +6 heavy broad axe.
 39559 | D:14     | 39559 ||| SWAPPING to +9 broad axe "Kosum" {antimagic,
                  | rC+}.
 39560 | D:14     | 39560 ||| SWAPPING to +6 heavy broad axe.
 39561 | D:14     | 39561 ||| SWAPPING to +9 broad axe "Kosum" {antimagic,
                  | rC+}.
 39562 | D:14     | 39562 ||| SWAPPING to +6 heavy broad axe.
 39563 | D:14     | 39563 ||| SWAPPING to +9 broad axe "Kosum" {antimagic,
                  | rC+}.
 39564 | D:14     | 39564 ||| SWAPPING to +6 heavy broad axe.
 39565 | D:14     | 39565 ||| SWAPPING to +9 broad axe "Kosum" {antimagic,
                  | rC+}.
 39566 | D:14     | 39566 ||| SWAPPING to +6 heavy broad axe.
 39567 | D:14     | 39567 ||| SWAPPING to +9 broad axe "Kosum" {antimagic,
                  | rC+}.
 39568 | D:14     | 39568 ||| SWAPPING to +6 heavy broad axe.
 39569 | D:14     | 39569 ||| SWAPPING to +9 broad axe "Kosum" {antimagic,
                  | rC+}.
 39570 | D:14     | 39570 ||| SWAPPING to +6 heavy broad axe.
 39571 | D:14     | 39571 ||| SWAPPING to +9 broad axe "Kosum" {antimagic,
                  | rC+}.
 39572 | D:14     | 39572 ||| SWAPPING to +6 heavy broad axe.
 39573 | D:14     | 39573 ||| SWAPPING to +9 broad axe "Kosum" {antimagic,
                  | rC+}.
 39574 | D:14     | 39574 ||| SWAPPING to +6 heavy broad axe.
 39575 | D:14     | 39575 ||| SWAPPING to +9 broad axe "Kosum" {antimagic,
                  | rC+}.
 39576 | D:14     | 39576 ||| SWAPPING to +6 heavy broad axe.
 39577 | D:14     | 39577 ||| SWAPPING to +9 broad axe "Kosum" {antimagic,
                  | rC+}.
 39578 | D:14     | 39578 ||| SWAPPING to +6 heavy broad axe.
 39579 | D:14     | 39579 ||| SWAPPING to +9 broad axe "Kosum" {antimagic,
                  | rC+}.
 39580 | D:14     | 39580 ||| SWAPPING to +6 heavy broad axe.
 39581 | D:14     | 39581 ||| SWAPPING to +9 broad axe "Kosum" {antimagic,
                  | rC+}.
 39582 | D:14     | 39582 ||| SWAPPING to +6 heavy broad axe.
 39583 | D:14     | 39583 ||| SWAPPING to +9 broad axe "Kosum" {antimagic,
                  | rC+}.
 39584 | D:14     | 39584 ||| SWAPPING to +6 heavy broad axe.
 39585 | D:14     | 39585 ||| SWAPPING to +9 broad axe "Kosum" {antimagic,
                  | rC+}.
 39586 | D:14     | 39586 ||| SWAPPING to +6 heavy broad axe.
 39587 | D:14     | 39587 ||| SWAPPING to +9 broad axe "Kosum" {antimagic,
                  | rC+}.
 39588 | D:14     | 39588 ||| SWAPPING to +6 heavy broad axe.
 39589 | D:14     | 39589 ||| SWAPPING to +9 broad axe "Kosum" {antimagic,
                  | rC+}.
 39590 | D:14     | 39590 ||| SWAPPING to +6 heavy broad axe.
 39591 | D:14     | 39591 ||| SWAPPING to +9 broad axe "Kosum" {antimagic,
                  | rC+}.
 39592 | D:14     | 39592 ||| SWAPPING to +6 heavy broad axe.
 39593 | D:14     | 39593 ||| SWAPPING to +9 broad axe "Kosum" {antimagic,
                  | rC+}.
 39594 | D:14     | 39594 ||| SWAPPING to +6 heavy broad axe.
 39595 | D:14     | 39595 ||| SWAPPING to +9 broad axe "Kosum" {antimagic,
                  | rC+}.
 39596 | D:14     | 39596 ||| SWAPPING to +6 heavy broad axe.
 39597 | D:14     | 39597 ||| SWAPPING to +9 broad axe "Kosum" {antimagic,
                  | rC+}.
 39598 | D:14     | 39598 ||| SWAPPING to +6 heavy broad axe.
 39599 | D:14     | 39599 ||| SWAPPING to +9 broad axe "Kosum" {antimagic,
                  | rC+}.
 39600 | D:14     | 39600 ||| SWAPPING to +6 heavy broad axe.
 39601 | D:14     | 39601 ||| SWAPPING to +9 broad axe "Kosum" {antimagic,
                  | rC+}.
 39602 | D:14     | 39602 ||| SWAPPING to +6 heavy broad axe.
 39603 | D:14     | 39603 ||| SWAPPING to +9 broad axe "Kosum" {antimagic,
                  | rC+}.
 39604 | D:14     | 39604 ||| SWAPPING to +6 heavy broad axe.
 39605 | D:14     | 39605 ||| SWAPPING to +9 broad axe "Kosum" {antimagic,
                  | rC+}.
 39606 | D:14     | 39606 ||| SWAPPING to +6 heavy broad axe.
 39607 | D:14     | 39607 ||| SWAPPING to +9 broad axe "Kosum" {antimagic,
                  | rC+}.
 39608 | D:14     | 39608 ||| SWAPPING to +6 heavy broad axe.
 39609 | D:14     | 39609 ||| SWAPPING to +9 broad axe "Kosum" {antimagic,
                  | rC+}.
 39610 | D:14     | 39610 ||| SWAPPING to +6 heavy broad axe.
 39611 | D:14     | 39611 ||| SWAPPING to +9 broad axe "Kosum" {antimagic,
                  | rC+}.
 39612 | D:14     | 39612 ||| SWAPPING to +6 heavy broad axe.
 39613 | D:14     | 39613 ||| SWAPPING to +9 broad axe "Kosum" {antimagic,
                  | rC+}.
 39614 | D:14     | 39614 ||| SWAPPING to +6 heavy broad axe.
 39615 | D:14     | 39615 ||| SWAPPING to +9 broad axe "Kosum" {antimagic,
                  | rC+}.
 39616 | D:14     | 39616 ||| SWAPPING to +6 heavy broad axe.
 39617 | D:14     | 39617 ||| SWAPPING to +9 broad axe "Kosum" {antimagic,
                  | rC+}.
 39618 | D:14     | 39618 ||| SWAPPING to +6 heavy broad axe.
 39619 | D:14     | 39619 ||| SWAPPING to +9 broad axe "Kosum" {antimagic,
                  | rC+}.
 39620 | D:14     | 39620 ||| SWAPPING to +6 heavy broad axe.
 39621 | D:14     | 39621 ||| SWAPPING to +9 broad axe "Kosum" {antimagic,
                  | rC+}.
 39622 | D:14     | 39622 ||| SWAPPING to +6 heavy broad axe.
 39623 | D:14     | 39623 ||| SWAPPING to +9 broad axe "Kosum" {antimagic,
                  | rC+}.
 39624 | D:14     | 39624 ||| SWAPPING to +6 heavy broad axe.
 39625 | D:14     | 39625 ||| SWAPPING to +9 broad axe "Kosum" {antimagic,
                  | rC+}.
 39626 | D:14     | 39626 ||| SWAPPING to +6 heavy broad axe.
 39627 | D:14     | 39627 ||| SWAPPING to +9 broad axe "Kosum" {antimagic,
                  | rC+}.
 39628 | D:14     | 39628 ||| SWAPPING to +6 heavy broad axe.
 39629 | D:14     | 39629 ||| SWAPPING to +9 broad axe "Kosum" {antimagic,
                  | rC+}.
 39630 | D:14     | 39630 ||| SWAPPING to +6 heavy broad axe.
 39631 | D:14     | 39631 ||| SWAPPING to +9 broad axe "Kosum" {antimagic,
                  | rC+}.
 39632 | D:14     | 39632 ||| SWAPPING to +6 heavy broad axe.
 39633 | D:14     | 39633 ||| SWAPPING to +9 broad axe "Kosum" {antimagic,
                  | rC+}.
 39634 | D:14     | 39634 ||| SWAPPING to +6 heavy broad axe.
 39635 | D:14     | 39635 ||| SWAPPING to +9 broad axe "Kosum" {antimagic,
                  | rC+}.
 39636 | D:14     | 39636 ||| SWAPPING to +6 heavy broad axe.
 39637 | D:14     | 39637 ||| SWAPPING to +9 broad axe "Kosum" {antimagic,
                  | rC+}.
 39638 | D:14     | 39638 ||| SWAPPING to +6 heavy broad axe.
 39639 | D:14     | 39639 ||| SWAPPING to +9 broad axe "Kosum" {antimagic,
                  | rC+}.
 39640 | D:14     | 39640 ||| SWAPPING to +6 heavy broad axe.
 39641 | D:14     | 39641 ||| SWAPPING to +9 broad axe "Kosum" {antimagic,
                  | rC+}.
 39642 | D:14     | 39642 ||| SWAPPING to +6 heavy broad axe.
 39643 | D:14     | 39643 ||| SWAPPING to +9 broad axe "Kosum" {antimagic,
                  | rC+}.
 39644 | D:14     | 39644 ||| SWAPPING to +6 heavy broad axe.
 39645 | D:14     | 39645 ||| SWAPPING to +9 broad axe "Kosum" {antimagic,
                  | rC+}.
 39646 | D:14     | 39646 ||| SWAPPING to +6 heavy broad axe.
 39647 | D:14     | 39647 ||| SWAPPING to +9 broad axe "Kosum" {antimagic,
                  | rC+}.
 39648 | D:14     | 39648 ||| SWAPPING to +6 heavy broad axe.
 39649 | D:14     | 39649 ||| SWAPPING to +9 broad axe "Kosum" {antimagic,
                  | rC+}.
 39650 | D:14     | 39650 ||| SWAPPING to +6 heavy broad axe.
 39651 | D:14     | 39651 ||| SWAPPING to +9 broad axe "Kosum" {antimagic,
                  | rC+}.
 39652 | D:14     | 39652 ||| SWAPPING to +6 heavy broad axe.
 39653 | D:14     | 39653 ||| SWAPPING to +9 broad axe "Kosum" {antimagic,
                  | rC+}.
 39654 | D:14     | 39654 ||| SWAPPING to +6 heavy broad axe.
 39655 | D:14     | 39655 ||| SWAPPING to +9 broad axe "Kosum" {antimagic,
                  | rC+}.
 39656 | D:14     | 39656 ||| SWAPPING to +6 heavy broad axe.
 39657 | D:14     | 39657 ||| SWAPPING to +9 broad axe "Kosum" {antimagic,
                  | rC+}.
 39658 | D:14     | 39658 ||| SWAPPING to +6 heavy broad axe.
 39659 | D:14     | 39659 ||| SWAPPING to +9 broad axe "Kosum" {antimagic,
                  | rC+}.
 39660 | D:14     | 39660 ||| SWAPPING to +6 heavy broad axe.
 39661 | D:14     | 39661 ||| SWAPPING to +9 broad axe "Kosum" {antimagic,
                  | rC+}.
 39662 | D:14     | 39662 ||| SWAPPING to +6 heavy broad axe.
 39663 | D:14     | 39663 ||| SWAPPING to +9 broad axe "Kosum" {antimagic,
                  | rC+}.
 39664 | D:14     | 39664 ||| SWAPPING to +6 heavy broad axe.
 39665 | D:14     | 39665 ||| SWAPPING to +9 broad axe "Kosum" {antimagic,
                  | rC+}.
 39666 | D:14     | 39666 ||| SWAPPING to +6 heavy broad axe.
 39667 | D:14     | 39667 ||| SWAPPING to +9 broad axe "Kosum" {antimagic,
                  | rC+}.
 39668 | D:14     | 39668 ||| SWAPPING to +6 heavy broad axe.
 39669 | D:14     | 39669 ||| SWAPPING to +9 broad axe "Kosum" {antimagic,
                  | rC+}.
 39670 | D:14     | 39670 ||| SWAPPING to +6 heavy broad axe.
 39671 | D:14     | 39671 ||| SWAPPING to +9 broad axe "Kosum" {antimagic,
                  | rC+}.
 39672 | D:14     | 39672 ||| SWAPPING to +6 heavy broad axe.
 39673 | D:14     | 39673 ||| SWAPPING to +9 broad axe "Kosum" {antimagic,
                  | rC+}.
 39674 | D:14     | 39674 ||| SWAPPING to +6 heavy broad axe.
 39675 | D:14     | 39675 ||| SWAPPING to +9 broad axe "Kosum" {antimagic,
                  | rC+}.
 39676 | D:14     | 39676 ||| SWAPPING to +6 heavy broad axe.
 39677 | D:14     | 39677 ||| SWAPPING to +9 broad axe "Kosum" {antimagic,
                  | rC+}.
 39678 | D:14     | 39678 ||| SWAPPING to +6 heavy broad axe.
 39679 | D:14     | 39679 ||| SWAPPING to +9 broad axe "Kosum" {antimagic,
                  | rC+}.
 39680 | D:14     | 39680 ||| SWAPPING to +6 heavy broad axe.
 39681 | D:14     | 39681 ||| SWAPPING to +9 broad axe "Kosum" {antimagic,
                  | rC+}.
 39682 | D:14     | 39682 ||| SWAPPING to +6 heavy broad axe.
 39683 | D:14     | 39683 ||| SWAPPING to +9 broad axe "Kosum" {antimagic,
                  | rC+}.
 39684 | D:14     | 39684 ||| SWAPPING to +6 heavy broad axe.
 39685 | D:14     | 39685 ||| SWAPPING to +9 broad axe "Kosum" {antimagic,
                  | rC+}.
 39686 | D:14     | 39686 ||| SWAPPING to +6 heavy broad axe.
 39687 | D:14     | 39687 ||| SWAPPING to +9 broad axe "Kosum" {antimagic,
                  | rC+}.
 39688 | D:14     | 39688 ||| SWAPPING to +6 heavy broad axe.
 39689 | D:14     | 39689 ||| SWAPPING to +9 broad axe "Kosum" {antimagic,
                  | rC+}.
 39690 | D:14     | 39690 ||| SWAPPING to +6 heavy broad axe.
 39691 | D:14     | 39691 ||| SWAPPING to +9 broad axe "Kosum" {antimagic,
                  | rC+}.
 39692 | D:14     | 39692 ||| SWAPPING to +6 heavy broad axe.
 39693 | D:14     | 39693 ||| SWAPPING to +9 broad axe "Kosum" {antimagic,
                  | rC+}.
 39694 | D:14     | 39694 ||| SWAPPING to +6 heavy broad axe.
 39695 | D:14     | 39695 ||| SWAPPING to +9 broad axe "Kosum" {antimagic,
                  | rC+}.
 39696 | D:14     | 39696 ||| SWAPPING to +6 heavy broad axe.
 39697 | D:14     | 39697 ||| SWAPPING to +9 broad axe "Kosum" {antimagic,
                  | rC+}.
 39698 | D:14     | 39698 ||| SWAPPING to +6 heavy broad axe.
 39699 | D:14     | 39699 ||| SWAPPING to +9 broad axe "Kosum" {antimagic,
                  | rC+}.
 39700 | D:14     | 39700 ||| SWAPPING to +6 heavy broad axe.
 39701 | D:14     | 39701 ||| SWAPPING to +9 broad axe "Kosum" {antimagic,
                  | rC+}.
 39702 | D:14     | 39702 ||| SWAPPING to +6 heavy broad axe.
 39703 | D:14     | 39703 ||| SWAPPING to +9 broad axe "Kosum" {antimagic,
                  | rC+}.
 39704 | D:14     | 39704 ||| SWAPPING to +6 heavy broad axe.
 39705 | D:14     | 39705 ||| SWAPPING to +9 broad axe "Kosum" {antimagic,
                  | rC+}.
 39706 | D:14     | 39706 ||| SWAPPING to +6 heavy broad axe.
 39707 | D:14     | 39707 ||| SWAPPING to +9 broad axe "Kosum" {antimagic,
                  | rC+}.
 39708 | D:14     | 39708 ||| SWAPPING to +6 heavy broad axe.
 39709 | D:14     | 39709 ||| SWAPPING to +9 broad axe "Kosum" {antimagic,
                  | rC+}.
 39710 | D:14     | 39710 ||| SWAPPING to +6 heavy broad axe.
 39711 | D:14     | 39711 ||| SWAPPING to +9 broad axe "Kosum" {antimagic,
                  | rC+}.
 39712 | D:14     | 39712 ||| SWAPPING to +6 heavy broad axe.
 39713 | D:14     | 39713 ||| SWAPPING to +9 broad axe "Kosum" {antimagic,
                  | rC+}.
 39714 | D:14     | 39714 ||| SWAPPING to +6 heavy broad axe.
 39715 | D:14     | 39715 ||| SWAPPING to +9 broad axe "Kosum" {antimagic,
                  | rC+}.
 39716 | D:14     | 39716 ||| SWAPPING to +6 heavy broad axe.
 39717 | D:14     | 39717 ||| SWAPPING to +9 broad axe "Kosum" {antimagic,
                  | rC+}.
 39718 | D:14     | 39718 ||| SWAPPING to +6 heavy broad axe.
 39719 | D:14     | 39719 ||| SWAPPING to +9 broad axe "Kosum" {antimagic,
                  | rC+}.
 39720 | D:14     | 39720 ||| SWAPPING to +6 heavy broad axe.
 39721 | D:14     | 39721 ||| SWAPPING to +9 broad axe "Kosum" {antimagic,
                  | rC+}.
 39722 | D:14     | 39722 ||| SWAPPING to +6 heavy broad axe.
 39723 | D:14     | 39723 ||| SWAPPING to +9 broad axe "Kosum" {antimagic,
                  | rC+}.
 39724 | D:14     | 39724 ||| SWAPPING to +6 heavy broad axe.
 39725 | D:14     | 39725 ||| SWAPPING to +9 broad axe "Kosum" {antimagic,
                  | rC+}.
 39726 | D:14     | 39726 ||| SWAPPING to +6 heavy broad axe.
 39727 | D:14     | 39727 ||| SWAPPING to +9 broad axe "Kosum" {antimagic,
                  | rC+}.
 39728 | D:14     | 39728 ||| SWAPPING to +6 heavy broad axe.
 39729 | D:14     | 39729 ||| SWAPPING to +9 broad axe "Kosum" {antimagic,
                  | rC+}.
 39730 | D:14     | 39730 ||| SWAPPING to +6 heavy broad axe.
 39731 | D:14     | 39731 ||| SWAPPING to +9 broad axe "Kosum" {antimagic,
                  | rC+}.
 39732 | D:14     | 39732 ||| SWAPPING to +6 heavy broad axe.
 39733 | D:14     | 39733 ||| SWAPPING to +9 broad axe "Kosum" {antimagic,
                  | rC+}.
 39734 | D:14     | 39734 ||| SWAPPING to +6 heavy broad axe.
 39735 | D:14     | 39735 ||| SWAPPING to +9 broad axe "Kosum" {antimagic,
                  | rC+}.
 39736 | D:14     | 39736 ||| SWAPPING to +6 heavy broad axe.
 39737 | D:14     | 39737 ||| SWAPPING to +9 broad axe "Kosum" {antimagic,
                  | rC+}.
 39738 | D:14     | 39738 ||| SWAPPING to +6 heavy broad axe.
 39739 | D:14     | 39739 ||| SWAPPING to +9 broad axe "Kosum" {antimagic,
                  | rC+}.
 39740 | D:14     | 39740 ||| SWAPPING to +6 heavy broad axe.
 39741 | D:14     | 39741 ||| SWAPPING to +9 broad axe "Kosum" {antimagic,
                  | rC+}.
 39742 | D:14     | 39742 ||| SWAPPING to +6 heavy broad axe.
 39743 | D:14     | 39743 ||| SWAPPING to +9 broad axe "Kosum" {antimagic,
                  | rC+}.
 39744 | D:14     | 39744 ||| SWAPPING to +6 heavy broad axe.
 39745 | D:14     | 39745 ||| SWAPPING to +9 broad axe "Kosum" {antimagic,
                  | rC+}.
 39746 | D:14     | 39746 ||| SWAPPING to +6 heavy broad axe.
 39747 | D:14     | 39747 ||| SWAPPING to +9 broad axe "Kosum" {antimagic,
                  | rC+}.
 39748 | D:14     | 39748 ||| SWAPPING to +6 heavy broad axe.
 39749 | D:14     | 39749 ||| SWAPPING to +9 broad axe "Kosum" {antimagic,
                  | rC+}.
 39750 | D:14     | 39750 ||| SWAPPING to +6 heavy broad axe.
 39751 | D:14     | 39751 ||| SWAPPING to +9 broad axe "Kosum" {antimagic,
                  | rC+}.
 39752 | D:14     | 39752 ||| SWAPPING to +6 heavy broad axe.
 39753 | D:14     | 39753 ||| SWAPPING to +9 broad axe "Kosum" {antimagic,
                  | rC+}.
 39754 | D:14     | 39754 ||| SWAPPING to +6 heavy broad axe.
 39755 | D:14     | 39755 ||| SWAPPING to +9 broad axe "Kosum" {antimagic,
                  | rC+}.
 39756 | D:14     | 39756 ||| SWAPPING to +6 heavy broad axe.
 39757 | D:14     | 39757 ||| SWAPPING to +9 broad axe "Kosum" {antimagic,
                  | rC+}.
 39758 | D:14     | 39758 ||| SWAPPING to +6 heavy broad axe.
 39759 | D:14     | 39759 ||| SWAPPING to +9 broad axe "Kosum" {antimagic,
                  | rC+}.
 39760 | D:14     | 39760 ||| SWAPPING to +6 heavy broad axe.
 39761 | D:14     | 39761 ||| SWAPPING to +9 broad axe "Kosum" {antimagic,
                  | rC+}.
 39762 | D:14     | 39762 ||| SWAPPING to +6 heavy broad axe.
 39763 | D:14     | 39763 ||| SWAPPING to +9 broad axe "Kosum" {antimagic,
                  | rC+}.
 39764 | D:14     | 39764 ||| SWAPPING to +6 heavy broad axe.
 39765 | D:14     | 39765 ||| SWAPPING to +9 broad axe "Kosum" {antimagic,
                  | rC+}.
 39766 | D:14     | 39766 ||| SWAPPING to +6 heavy broad axe.
 39767 | D:14     | 39767 ||| SWAPPING to +9 broad axe "Kosum" {antimagic,
                  | rC+}.
 39768 | D:14     | 39768 ||| SWAPPING to +6 heavy broad axe.
 39769 | D:14     | 39769 ||| SWAPPING to +9 broad axe "Kosum" {antimagic,
                  | rC+}.
 39770 | D:14     | 39770 ||| SWAPPING to +6 heavy broad axe.
 39771 | D:14     | 39771 ||| SWAPPING to +9 broad axe "Kosum" {antimagic,
                  | rC+}.
 39772 | D:14     | 39772 ||| SWAPPING to +6 heavy broad axe.
 39773 | D:14     | 39773 ||| SWAPPING to +9 broad axe "Kosum" {antimagic,
                  | rC+}.
 39774 | D:14     | 39774 ||| SWAPPING to +6 heavy broad axe.
 39775 | D:14     | 39775 ||| SWAPPING to +9 broad axe "Kosum" {antimagic,
                  | rC+}.
 39776 | D:14     | 39776 ||| SWAPPING to +6 heavy broad axe.
 39777 | D:14     | 39777 ||| SWAPPING to +9 broad axe "Kosum" {antimagic,
                  | rC+}.
 39778 | D:14     | 39778 ||| SWAPPING to +6 heavy broad axe.
 39779 | D:14     | 39779 ||| SWAPPING to +9 broad axe "Kosum" {antimagic,
                  | rC+}.
 39780 | D:14     | 39780 ||| SWAPPING to +6 heavy broad axe.
 39781 | D:14     | 39781 ||| SWAPPING to +9 broad axe "Kosum" {antimagic,
                  | rC+}.
 39782 | D:14     | 39782 ||| SWAPPING to +6 heavy broad axe.
 39783 | D:14     | 39783 ||| SWAPPING to +9 broad axe "Kosum" {antimagic,
                  | rC+}.
 39784 | D:14     | 39784 ||| SWAPPING to +6 heavy broad axe.
 39785 | D:14     | 39785 ||| SWAPPING to +9 broad axe "Kosum" {antimagic,
                  | rC+}.
 39786 | D:14     | 39786 ||| SWAPPING to +6 heavy broad axe.
 39787 | D:14     | 39787 ||| SWAPPING to +9 broad axe "Kosum" {antimagic,
                  | rC+}.
 39788 | D:14     | 39788 ||| SWAPPING to +6 heavy broad axe.
 39789 | D:14     | 39789 ||| SWAPPING to +9 broad axe "Kosum" {antimagic,
                  | rC+}.
 39790 | D:14     | 39790 ||| SWAPPING to +6 heavy broad axe.
 39791 | D:14     | 39791 ||| SWAPPING to +9 broad axe "Kosum" {antimagic,
                  | rC+}.
 39792 | D:14     | 39792 ||| SWAPPING to +6 heavy broad axe.
 39793 | D:14     | 39793 ||| SWAPPING to +9 broad axe "Kosum" {antimagic,
                  | rC+}.
 39794 | D:14     | 39794 ||| SWAPPING to +6 heavy broad axe.
 39795 | D:14     | 39795 ||| SWAPPING to +9 broad axe "Kosum" {antimagic,
                  | rC+}.
 39796 | D:14     | 39796 ||| SWAPPING to +6 heavy broad axe.
 39797 | D:14     | 39797 ||| SWAPPING to +9 broad axe "Kosum" {antimagic,
                  | rC+}.
 39798 | D:14     | 39798 ||| SWAPPING to +6 heavy broad axe.
 39799 | D:14     | 39799 ||| SWAPPING to +9 broad axe "Kosum" {antimagic,
                  | rC+}.
 39800 | D:14     | 39800 ||| SWAPPING to +6 heavy broad axe.
 39801 | D:14     | 39801 ||| SWAPPING to +9 broad axe "Kosum" {antimagic,
                  | rC+}.
 39802 | D:14     | 39802 ||| SWAPPING to +6 heavy broad axe.
 39803 | D:14     | 39803 ||| SWAPPING to +9 broad axe "Kosum" {antimagic,
                  | rC+}.
 39804 | D:14     | 39804 ||| SWAPPING to +6 heavy broad axe.
 39805 | D:14     | 39805 ||| SWAPPING to +9 broad axe "Kosum" {antimagic,
                  | rC+}.
 39806 | D:14     | 39806 ||| SWAPPING to +6 heavy broad axe.
 39807 | D:14     | 39807 ||| SWAPPING to +9 broad axe "Kosum" {antimagic,
                  | rC+}.
 39808 | D:14     | 39808 ||| SWAPPING to +6 heavy broad axe.
 39809 | D:14     | 39809 ||| SWAPPING to +9 broad axe "Kosum" {antimagic,
                  | rC+}.
 39810 | D:14     | 39810 ||| SWAPPING to +6 heavy broad axe.
 39811 | D:14     | 39811 ||| SWAPPING to +9 broad axe "Kosum" {antimagic,
                  | rC+}.
 39812 | D:14     | 39812 ||| SWAPPING to +6 heavy broad axe.
 39813 | D:14     | 39813 ||| SWAPPING to +9 broad axe "Kosum" {antimagic,
                  | rC+}.
 39814 | D:14     | 39814 ||| SWAPPING to +6 heavy broad axe.
 39815 | D:14     | 39815 ||| SWAPPING to +9 broad axe "Kosum" {antimagic,
                  | rC+}.
 39816 | D:14     | 39816 ||| SWAPPING to +6 heavy broad axe.
 39817 | D:14     | 39817 ||| SWAPPING to +9 broad axe "Kosum" {antimagic,
                  | rC+}.
 39818 | D:14     | 39818 ||| SWAPPING to +6 heavy broad axe.
 39819 | D:14     | 39819 ||| SWAPPING to +9 broad axe "Kosum" {antimagic,
                  | rC+}.
 39820 | D:14     | 39820 ||| SWAPPING to +6 heavy broad axe.
 39821 | D:14     | 39821 ||| SWAPPING to +9 broad axe "Kosum" {antimagic,
                  | rC+}.
 39822 | D:14     | 39822 ||| SWAPPING to +6 heavy broad axe.
 39823 | D:14     | 39823 ||| SWAPPING to +9 broad axe "Kosum" {antimagic,
                  | rC+}.
 39824 | D:14     | 39824 ||| SWAPPING to +6 heavy broad axe.
 39825 | D:14     | 39825 ||| SWAPPING to +9 broad axe "Kosum" {antimagic,
                  | rC+}.
 39826 | D:14     | 39826 ||| SWAPPING to +6 heavy broad axe.
 39827 | D:14     | 39827 ||| SWAPPING to +9 broad axe "Kosum" {antimagic,
                  | rC+}.
 39828 | D:14     | 39828 ||| SWAPPING to +6 heavy broad axe.
 39829 | D:14     | 39829 ||| SWAPPING to +9 broad axe "Kosum" {antimagic,
                  | rC+}.
 39830 | D:14     | 39830 ||| SWAPPING to +6 heavy broad axe.
 39831 | D:14     | 39831 ||| SWAPPING to +9 broad axe "Kosum" {antimagic,
                  | rC+}.
 39832 | D:14     | 39832 ||| SWAPPING to +6 heavy broad axe.
 39833 | D:14     | 39833 ||| SWAPPING to +9 broad axe "Kosum" {antimagic,
                  | rC+}.
 39834 | D:14     | 39834 ||| SWAPPING to +6 heavy broad axe.
 39835 | D:14     | 39835 ||| SWAPPING to +9 broad axe "Kosum" {antimagic,
                  | rC+}.
 39836 | D:14     | 39836 ||| SWAPPING to +6 heavy broad axe.
 39837 | D:14     | 39837 ||| SWAPPING to +9 broad axe "Kosum" {antimagic,
                  | rC+}.
 39838 | D:14     | 39838 ||| SWAPPING to +6 heavy broad axe.
 39839 | D:14     | 39839 ||| SWAPPING to +9 broad axe "Kosum" {antimagic,
                  | rC+}.
 39840 | D:14     | 39840 ||| SWAPPING to +6 heavy broad axe.
 39841 | D:14     | 39841 ||| SWAPPING to +9 broad axe "Kosum" {antimagic,
                  | rC+}.
 39842 | D:14     | 39842 ||| SWAPPING to +6 heavy broad axe.
 39843 | D:14     | 39843 ||| SWAPPING to +9 broad axe "Kosum" {antimagic,
                  | rC+}.
 39844 | D:14     | 39844 ||| SWAPPING to +6 heavy broad axe.
 39845 | D:14     | 39845 ||| SWAPPING to +9 broad axe "Kosum" {antimagic,
                  | rC+}.
 39846 | D:14     | 39846 ||| SWAPPING to +6 heavy broad axe.
 39847 | D:14     | 39847 ||| SWAPPING to +9 broad axe "Kosum" {antimagic,
                  | rC+}.
 39848 | D:14     | 39848 ||| SWAPPING to +6 heavy broad axe.
 39849 | D:14     | 39849 ||| SWAPPING to +9 broad axe "Kosum" {antimagic,
                  | rC+}.
 39850 | D:14     | 39850 ||| SWAPPING to +6 heavy broad axe.
 39851 | D:14     | 39851 ||| SWAPPING to +9 broad axe "Kosum" {antimagic,
                  | rC+}.
 39852 | D:14     | 39852 ||| SWAPPING to +6 heavy broad axe.
 39853 | D:14     | 39853 ||| SWAPPING to +9 broad axe "Kosum" {antimagic,
                  | rC+}.
 39854 | D:14     | 39854 ||| SWAPPING to +6 heavy broad axe.
 39855 | D:14     | 39855 ||| SWAPPING to +9 broad axe "Kosum" {antimagic,
                  | rC+}.
 39856 | D:14     | 39856 ||| SWAPPING to +6 heavy broad axe.
 39857 | D:14     | 39857 ||| SWAPPING to +9 broad axe "Kosum" {antimagic,
                  | rC+}.
 39858 | D:14     | 39858 ||| SWAPPING to +6 heavy broad axe.
 39859 | D:14     | 39859 ||| SWAPPING to +9 broad axe "Kosum" {antimagic,
                  | rC+}.
 39860 | D:14     | 39860 ||| SWAPPING to +6 heavy broad axe.
 39861 | D:14     | 39861 ||| SWAPPING to +9 broad axe "Kosum" {antimagic,
                  | rC+}.
 39862 | D:14     | 39862 ||| SWAPPING to +6 heavy broad axe.
 39863 | D:14     | 39863 ||| SWAPPING to +9 broad axe "Kosum" {antimagic,
                  | rC+}.
 39864 | D:14     | 39864 ||| SWAPPING to +6 heavy broad axe.
 39865 | D:14     | 39865 ||| SWAPPING to +9 broad axe "Kosum" {antimagic,
                  | rC+}.
 39866 | D:14     | 39866 ||| SWAPPING to +6 heavy broad axe.
 39867 | D:14     | 39867 ||| SWAPPING to +9 broad axe "Kosum" {antimagic,
                  | rC+}.
 39868 | D:14     | 39868 ||| SWAPPING to +6 heavy broad axe.
 39869 | D:14     | 39869 ||| SWAPPING to +9 broad axe "Kosum" {antimagic,
                  | rC+}.
 39870 | D:14     | 39870 ||| SWAPPING to +6 heavy broad axe.
 39871 | D:14     | 39871 ||| SWAPPING to +9 broad axe "Kosum" {antimagic,
                  | rC+}.
 39872 | D:14     | 39872 ||| SWAPPING to +6 heavy broad axe.
 39873 | D:14     | 39873 ||| SWAPPING to +9 broad axe "Kosum" {antimagic,
                  | rC+}.
 39874 | D:14     | 39874 ||| SWAPPING to +6 heavy broad axe.
 39875 | D:14     | 39875 ||| SWAPPING to +9 broad axe "Kosum" {antimagic,
                  | rC+}.
 39876 | D:14     | 39876 ||| SWAPPING to +6 heavy broad axe.
 39877 | D:14     | 39877 ||| SWAPPING to +9 broad axe "Kosum" {antimagic,
                  | rC+}.
 39878 | D:14     | 39878 ||| SWAPPING to +6 heavy broad axe.
 39879 | D:14     | 39879 ||| SWAPPING to +9 broad axe "Kosum" {antimagic,
                  | rC+}.
 39880 | D:14     | 39880 ||| SWAPPING to +6 heavy broad axe.
 39881 | D:14     | 39881 ||| SWAPPING to +9 broad axe "Kosum" {antimagic,
                  | rC+}.
 39882 | D:14     | 39882 ||| SWAPPING to +6 heavy broad axe.
 39883 | D:14     | 39883 ||| SWAPPING to +9 broad axe "Kosum" {antimagic,
                  | rC+}.
 39884 | D:14     | 39884 ||| SWAPPING to +6 heavy broad axe.
 39885 | D:14     | 39885 ||| SWAPPING to +9 broad axe "Kosum" {antimagic,
                  | rC+}.
 39886 | D:14     | 39886 ||| SWAPPING to +6 heavy broad axe.
 39887 | D:14     | 39887 ||| SWAPPING to +9 broad axe "Kosum" {antimagic,
                  | rC+}.
 39888 | D:14     | 39888 ||| SWAPPING to +6 heavy broad axe.
 39889 | D:14     | 39889 ||| SWAPPING to +9 broad axe "Kosum" {antimagic,
                  | rC+}.
 39890 | D:14     | 39890 ||| SWAPPING to +6 heavy broad axe.
 39891 | D:14     | 39891 ||| SWAPPING to +9 broad axe "Kosum" {antimagic,
                  | rC+}.
 39892 | D:14     | 39892 ||| SWAPPING to +6 heavy broad axe.
 39893 | D:14     | 39893 ||| SWAPPING to +9 broad axe "Kosum" {antimagic,
                  | rC+}.
 39894 | D:14     | 39894 ||| SWAPPING to +6 heavy broad axe.
 39895 | D:14     | 39895 ||| SWAPPING to +9 broad axe "Kosum" {antimagic,
                  | rC+}.
 39896 | D:14     | 39896 ||| SWAPPING to +6 heavy broad axe.
 39897 | D:14     | 39897 ||| SWAPPING to +9 broad axe "Kosum" {antimagic,
                  | rC+}.
 39898 | D:14     | 39898 ||| SWAPPING to +6 heavy broad axe.
 39899 | D:14     | 39899 ||| SWAPPING to +9 broad axe "Kosum" {antimagic,
                  | rC+}.
 39900 | D:14     | 39900 ||| SWAPPING to +6 heavy broad axe.
 39901 | D:14     | 39901 ||| SWAPPING to +9 broad axe "Kosum" {antimagic,
                  | rC+}.
 39902 | D:14     | 39902 ||| SWAPPING to +6 heavy broad axe.
 39903 | D:14     | 39903 ||| SWAPPING to +9 broad axe "Kosum" {antimagic,
                  | rC+}.
 39904 | D:14     | 39904 ||| SWAPPING to +6 heavy broad axe.
 39905 | D:14     | 39905 ||| SWAPPING to +9 broad axe "Kosum" {antimagic,
                  | rC+}.
 39906 | D:14     | 39906 ||| SWAPPING to +6 heavy broad axe.
 39907 | D:14     | 39907 ||| SWAPPING to +9 broad axe "Kosum" {antimagic,
                  | rC+}.
 39908 | D:14     | 39908 ||| SWAPPING to +6 heavy broad axe.
 39909 | D:14     | 39909 ||| SWAPPING to +9 broad axe "Kosum" {antimagic,
                  | rC+}.
 39910 | D:14     | 39910 ||| SWAPPING to +6 heavy broad axe.
 39911 | D:14     | 39911 ||| SWAPPING to +9 broad axe "Kosum" {antimagic,
                  | rC+}.
 39912 | D:14     | 39912 ||| SWAPPING to +6 heavy broad axe.
 39913 | D:14     | 39913 ||| SWAPPING to +9 broad axe "Kosum" {antimagic,
                  | rC+}.
 39914 | D:14     | 39914 ||| SWAPPING to +6 heavy broad axe.
 39915 | D:14     | 39915 ||| SWAPPING to +9 broad axe "Kosum" {antimagic,
                  | rC+}.
 39916 | D:14     | 39916 ||| SWAPPING to +6 heavy broad axe.
 39917 | D:14     | 39917 ||| SWAPPING to +9 broad axe "Kosum" {antimagic,
                  | rC+}.
 39918 | D:14     | 39918 ||| SWAPPING to +6 heavy broad axe.
 39919 | D:14     | 39919 ||| SWAPPING to +9 broad axe "Kosum" {antimagic,
                  | rC+}.
 39920 | D:14     | 39920 ||| SWAPPING to +6 heavy broad axe.
 39921 | D:14     | 39921 ||| SWAPPING to +9 broad axe "Kosum" {antimagic,
                  | rC+}.
 39922 | D:14     | 39922 ||| SWAPPING to +6 heavy broad axe.
 39923 | D:14     | 39923 ||| SWAPPING to +9 broad axe "Kosum" {antimagic,
                  | rC+}.
 39924 | D:14     | 39924 ||| SWAPPING to +6 heavy broad axe.
 39925 | D:14     | 39925 ||| SWAPPING to +9 broad axe "Kosum" {antimagic,
                  | rC+}.
 39926 | D:14     | 39926 ||| SWAPPING to +6 heavy broad axe.
 39927 | D:14     | 39927 ||| SWAPPING to +9 broad axe "Kosum" {antimagic,
                  | rC+}.
 39928 | D:14     | 39928 ||| SWAPPING to +6 heavy broad axe.
 39929 | D:14     | 39929 ||| SWAPPING to +9 broad axe "Kosum" {antimagic,
                  | rC+}.
 39930 | D:14     | 39930 ||| SWAPPING to +6 heavy broad axe.
 39931 | D:14     | 39931 ||| SWAPPING to +9 broad axe "Kosum" {antimagic,
                  | rC+}.
 39932 | D:14     | 39932 ||| SWAPPING to +6 heavy broad axe.
 39933 | D:14     | 39933 ||| SWAPPING to +9 broad axe "Kosum" {antimagic,
                  | rC+}.
 39934 | D:14     | 39934 ||| SWAPPING to +6 heavy broad axe.
 39935 | D:14     | 39935 ||| SWAPPING to +9 broad axe "Kosum" {antimagic,
                  | rC+}.
 39936 | D:14     | 39936 ||| SWAPPING to +6 heavy broad axe.
 39937 | D:14     | 39937 ||| SWAPPING to +9 broad axe "Kosum" {antimagic,
                  | rC+}.
 39938 | D:14     | 39938 ||| SWAPPING to +6 heavy broad axe.
 39939 | D:14     | 39939 ||| SWAPPING to +9 broad axe "Kosum" {antimagic,
                  | rC+}.
 39940 | D:14     | 39940 ||| SWAPPING to +6 heavy broad axe.
 39941 | D:14     | 39941 ||| SWAPPING to +9 broad axe "Kosum" {antimagic,
                  | rC+}.
 39942 | D:14     | 39942 ||| SWAPPING to +6 heavy broad axe.
 39943 | D:14     | 39943 ||| SWAPPING to +9 broad axe "Kosum" {antimagic,
                  | rC+}.
 39944 | D:14     | 39944 ||| SWAPPING to +6 heavy broad axe.
 39945 | D:14     | 39945 ||| SWAPPING to +9 broad axe "Kosum" {antimagic,
                  | rC+}.
 39946 | D:14     | 39946 ||| SWAPPING to +6 heavy broad axe.
 39947 | D:14     | 39947 ||| SWAPPING to +9 broad axe "Kosum" {antimagic,
                  | rC+}.
 39948 | D:14     | 39948 ||| SWAPPING to +6 heavy broad axe.
 39949 | D:14     | 39949 ||| SWAPPING to +9 broad axe "Kosum" {antimagic,
                  | rC+}.
 39950 | D:14     | 39950 ||| SWAPPING to +6 heavy broad axe.
 39951 | D:14     | 39951 ||| SWAPPING to +9 broad axe "Kosum" {antimagic,
                  | rC+}.
 39952 | D:14     | 39952 ||| SWAPPING to +6 heavy broad axe.
 39953 | D:14     | 39953 ||| SWAPPING to +9 broad axe "Kosum" {antimagic,
                  | rC+}.
 39954 | D:14     | 39954 ||| SWAPPING to +6 heavy broad axe.
 39955 | D:14     | 39955 ||| SWAPPING to +9 broad axe "Kosum" {antimagic,
                  | rC+}.
 39956 | D:14     | 39956 ||| SWAPPING to +6 heavy broad axe.
 39957 | D:14     | 39957 ||| SWAPPING to +9 broad axe "Kosum" {antimagic,
                  | rC+}.
 39958 | D:14     | 39958 ||| SWAPPING to +6 heavy broad axe.
 39959 | D:14     | 39959 ||| SWAPPING to +9 broad axe "Kosum" {antimagic,
                  | rC+}.
 39960 | D:14     | 39960 ||| SWAPPING to +6 heavy broad axe.
 39961 | D:14     | 39961 ||| SWAPPING to +9 broad axe "Kosum" {antimagic,
                  | rC+}.
 39962 | D:14     | 39962 ||| SWAPPING to +6 heavy broad axe.
 39963 | D:14     | 39963 ||| SWAPPING to +9 broad axe "Kosum" {antimagic,
                  | rC+}.
 39964 | D:14     | 39964 ||| SWAPPING to +6 heavy broad axe.
 39965 | D:14     | 39965 ||| SWAPPING to +9 broad axe "Kosum" {antimagic,
                  | rC+}.
 39966 | D:14     | 39966 ||| SWAPPING to +6 heavy broad axe.
 39967 | D:14     | 39967 ||| SWAPPING to +9 broad axe "Kosum" {antimagic,
                  | rC+}.
 39968 | D:14     | 39968 ||| SWAPPING to +6 heavy broad axe.
 39969 | D:14     | 39969 ||| SWAPPING to +9 broad axe "Kosum" {antimagic,
                  | rC+}.
 39970 | D:14     | 39970 ||| SWAPPING to +6 heavy broad axe.
 39971 | D:14     | 39971 ||| SWAPPING to +9 broad axe "Kosum" {antimagic,
                  | rC+}.
 39972 | D:14     | 39972 ||| SWAPPING to +6 heavy broad axe.
 39973 | D:14     | 39973 ||| SWAPPING to +9 broad axe "Kosum" {antimagic,
                  | rC+}.
 39974 | D:14     | 39974 ||| SWAPPING to +6 heavy broad axe.
 39975 | D:14     | 39975 ||| SWAPPING to +9 broad axe "Kosum" {antimagic,
                  | rC+}.
 39976 | D:14     | 39976 ||| SWAPPING to +6 heavy broad axe.
 39977 | D:14     | 39977 ||| SWAPPING to +9 broad axe "Kosum" {antimagic,
                  | rC+}.
 39978 | D:14     | 39978 ||| SWAPPING to +6 heavy broad axe.
 39979 | D:14     | 39979 ||| SWAPPING to +9 broad axe "Kosum" {antimagic,
                  | rC+}.
 39980 | D:14     | 39980 ||| SWAPPING to +6 heavy broad axe.
 39981 | D:14     | 39981 ||| SWAPPING to +9 broad axe "Kosum" {antimagic,
                  | rC+}.
 39982 | D:14     | 39982 ||| SWAPPING to +6 heavy broad axe.
 39983 | D:14     | 39983 ||| SWAPPING to +9 broad axe "Kosum" {antimagic,
                  | rC+}.
 39984 | D:14     | 39984 ||| SWAPPING to +6 heavy broad axe.
 39985 | D:14     | 39985 ||| SWAPPING to +9 broad axe "Kosum" {antimagic,
                  | rC+}.
 39986 | D:14     | 39986 ||| SWAPPING to +6 heavy broad axe.
 39987 | D:14     | 39987 ||| SWAPPING to +9 broad axe "Kosum" {antimagic,
                  | rC+}.
 39988 | D:14     | 39988 ||| SWAPPING to +6 heavy broad axe.
 39989 | D:14     | 39989 ||| SWAPPING to +9 broad axe "Kosum" {antimagic,
                  | rC+}.
 39990 | D:14     | 39990 ||| SWAPPING to +6 heavy broad axe.
 39991 | D:14     | 39991 ||| SWAPPING to +9 broad axe "Kosum" {antimagic,
                  | rC+}.
 39992 | D:14     | 39992 ||| SWAPPING to +6 heavy broad axe.
 39993 | D:14     | 39993 ||| SWAPPING to +9 broad axe "Kosum" {antimagic,
                  | rC+}.
 39994 | D:14     | 39994 ||| SWAPPING to +6 heavy broad axe.
 39995 | D:14     | 39995 ||| SWAPPING to +9 broad axe "Kosum" {antimagic,
                  | rC+}.
 39996 | D:14     | 39996 ||| SWAPPING to +6 heavy broad axe.
 39997 | D:14     | 39997 ||| SWAPPING to +9 broad axe "Kosum" {antimagic,
                  | rC+}.
 39998 | D:14     | 39998 ||| SWAPPING to +6 heavy broad axe.
 39999 | D:14     | 39999 ||| SWAPPING to +9 broad axe "Kosum" {antimagic,
                  | rC+}.
 40000 | D:14     | 40000 ||| SWAPPING to +6 heavy broad axe.
 40001 | D:14     | 40001 ||| SWAPPING to +9 broad axe "Kosum" {antimagic,
                  | rC+}.
 40002 | D:14     | 40002 ||| SWAPPING to +6 heavy broad axe.
 40003 | D:14     | 40003 ||| SWAPPING to +9 broad axe "Kosum" {antimagic,
                  | rC+}.
 40004 | D:14     | 40004 ||| SWAPPING to +6 heavy broad axe.
 40005 | D:14     | 40005 ||| SWAPPING to +9 broad axe "Kosum" {antimagic,
                  | rC+}.
 40006 | D:14     | 40006 ||| SWAPPING to +6 heavy broad axe.
 40007 | D:14     | 40007 ||| SWAPPING to +9 broad axe "Kosum" {antimagic,
                  | rC+}.
 40008 | D:14     | 40008 ||| SWAPPING to +6 heavy broad axe.
 40009 | D:14     | 40009 ||| SWAPPING to +9 broad axe "Kosum" {antimagic,
                  | rC+}.
 40010 | D:14     | 40010 ||| SWAPPING to +6 heavy broad axe.
 40011 | D:14     | 40011 ||| SWAPPING to +9 broad axe "Kosum" {antimagic,
                  | rC+}.
 40012 | D:14     | 40012 ||| SWAPPING to +6 heavy broad axe.
 40013 | D:14     | 40013 ||| SWAPPING to +9 broad axe "Kosum" {antimagic,
                  | rC+}.
 40014 | D:14     | 40014 ||| SWAPPING to +6 heavy broad axe.
 40015 | D:14     | 40015 ||| SWAPPING to +9 broad axe "Kosum" {antimagic,
                  | rC+}.
 40016 | D:14     | 40016 ||| SWAPPING to +6 heavy broad axe.
 40017 | D:14     | 40017 ||| SWAPPING to +9 broad axe "Kosum" {antimagic,
                  | rC+}.
 40018 | D:14     | 40018 ||| SWAPPING to +6 heavy broad axe.
 40019 | D:14     | 40019 ||| SWAPPING to +9 broad axe "Kosum" {antimagic,
                  | rC+}.
 40020 | D:14     | 40020 ||| SWAPPING to +6 heavy broad axe.
 40021 | D:14     | 40021 ||| SWAPPING to +9 broad axe "Kosum" {antimagic,
                  | rC+}.
 40022 | D:14     | 40022 ||| SWAPPING to +6 heavy broad axe.
 40023 | D:14     | 40023 ||| SWAPPING to +9 broad axe "Kosum" {antimagic,
                  | rC+}.
 40024 | D:14     | 40024 ||| SWAPPING to +6 heavy broad axe.
 40025 | D:14     | 40025 ||| SWAPPING to +9 broad axe "Kosum" {antimagic,
                  | rC+}.
 40026 | D:14     | 40026 ||| SWAPPING to +6 heavy broad axe.
 40027 | D:14     | 40027 ||| SWAPPING to +9 broad axe "Kosum" {antimagic,
                  | rC+}.
 40028 | D:14     | 40028 ||| SWAPPING to +6 heavy broad axe.
 40029 | D:14     | 40029 ||| SWAPPING to +9 broad axe "Kosum" {antimagic,
                  | rC+}.
 40030 | D:14     | 40030 ||| SWAPPING to +6 heavy broad axe.
 40031 | D:14     | 40031 ||| SWAPPING to +9 broad axe "Kosum" {antimagic,
                  | rC+}.
 40032 | D:14     | 40032 ||| SWAPPING to +6 heavy broad axe.
 40033 | D:14     | 40033 ||| SWAPPING to +9 broad axe "Kosum" {antimagic,
                  | rC+}.
 40034 | D:14     | 40034 ||| SWAPPING to +6 heavy broad axe.
 40035 | D:14     | 40035 ||| SWAPPING to +9 broad axe "Kosum" {antimagic,
                  | rC+}.
 40036 | D:14     | 40036 ||| SWAPPING to +6 heavy broad axe.
 40037 | D:14     | 40037 ||| SWAPPING to +9 broad axe "Kosum" {antimagic,
                  | rC+}.
 40038 | D:14     | 40038 ||| SWAPPING to +6 heavy broad axe.
 40039 | D:14     | 40039 ||| SWAPPING to +9 broad axe "Kosum" {antimagic,
                  | rC+}.
 40040 | D:14     | 40040 ||| SWAPPING to +6 heavy broad axe.
 40041 | D:14     | 40041 ||| SWAPPING to +9 broad axe "Kosum" {antimagic,
                  | rC+}.
 40042 | D:14     | 40042 ||| SWAPPING to +6 heavy broad axe.
 40043 | D:14     | 40043 ||| SWAPPING to +9 broad axe "Kosum" {antimagic,
                  | rC+}.
 40044 | D:14     | 40044 ||| SWAPPING to +6 heavy broad axe.
 40045 | D:14     | 40045 ||| SWAPPING to +9 broad axe "Kosum" {antimagic,
                  | rC+}.
 40046 | D:14     | 40046 ||| SWAPPING to +6 heavy broad axe.
 40047 | D:14     | 40047 ||| SWAPPING to +9 broad axe "Kosum" {antimagic,
                  | rC+}.
 40048 | D:14     | 40048 ||| SWAPPING to +6 heavy broad axe.
 40049 | D:14     | 40049 ||| SWAPPING to +9 broad axe "Kosum" {antimagic,
                  | rC+}.
 40050 | D:14     | 40050 ||| SWAPPING to +6 heavy broad axe.
 40051 | D:14     | 40051 ||| SWAPPING to +9 broad axe "Kosum" {antimagic,
                  | rC+}.
 40052 | D:14     | 40052 ||| SWAPPING to +6 heavy broad axe.
 40053 | D:14     | 40053 ||| SWAPPING to +9 broad axe "Kosum" {antimagic,
                  | rC+}.
 40054 | D:14     | 40054 ||| SWAPPING to +6 heavy broad axe.
 40055 | D:14     | 40055 ||| SWAPPING to +9 broad axe "Kosum" {antimagic,
                  | rC+}.
 40056 | D:14     | 40056 ||| SWAPPING to +6 heavy broad axe.
 40057 | D:14     | 40057 ||| SWAPPING to +9 broad axe "Kosum" {antimagic,
                  | rC+}.
 40058 | D:14     | 40058 ||| SWAPPING to +6 heavy broad axe.
 40059 | D:14     | 40059 ||| SWAPPING to +9 broad axe "Kosum" {antimagic,
                  | rC+}.
 40060 | D:14     | 40060 ||| SWAPPING to +6 heavy broad axe.
 40061 | D:14     | 40061 ||| SWAPPING to +9 broad axe "Kosum" {antimagic,
                  | rC+}.
 40062 | D:14     | 40062 ||| SWAPPING to +6 heavy broad axe.
 40063 | D:14     | 40063 ||| SWAPPING to +9 broad axe "Kosum" {antimagic,
                  | rC+}.
 40064 | D:14     | 40064 ||| SWAPPING to +6 heavy broad axe.
 40065 | D:14     | 40065 ||| SWAPPING to +9 broad axe "Kosum" {antimagic,
                  | rC+}.
 40066 | D:14     | 40066 ||| SWAPPING to +6 heavy broad axe.
 40067 | D:14     | 40067 ||| SWAPPING to +9 broad axe "Kosum" {antimagic,
                  | rC+}.
 40068 | D:14     | 40068 ||| SWAPPING to +6 heavy broad axe.
 40069 | D:14     | 40069 ||| SWAPPING to +9 broad axe "Kosum" {antimagic,
                  | rC+}.
 40070 | D:14     | 40070 ||| SWAPPING to +6 heavy broad axe.
 40071 | D:14     | 40071 ||| SWAPPING to +9 broad axe "Kosum" {antimagic,
                  | rC+}.
 40072 | D:14     | 40072 ||| SWAPPING to +6 heavy broad axe.
 40073 | D:14     | 40073 ||| SWAPPING to +9 broad axe "Kosum" {antimagic,
                  | rC+}.
 40074 | D:14     | 40074 ||| SWAPPING to +6 heavy broad axe.
 40075 | D:14     | 40075 ||| SWAPPING to +9 broad axe "Kosum" {antimagic,
                  | rC+}.
 40076 | D:14     | 40076 ||| SWAPPING to +6 heavy broad axe.
 40077 | D:14     | 40077 ||| SWAPPING to +9 broad axe "Kosum" {antimagic,
                  | rC+}.
 40078 | D:14     | 40078 ||| SWAPPING to +6 heavy broad axe.
 40079 | D:14     | 40079 ||| SWAPPING to +9 broad axe "Kosum" {antimagic,
                  | rC+}.
 40080 | D:14     | 40080 ||| SWAPPING to +6 heavy broad axe.
 40081 | D:14     | 40081 ||| SWAPPING to +9 broad axe "Kosum" {antimagic,
                  | rC+}.
 40082 | D:14     | 40082 ||| SWAPPING to +6 heavy broad axe.
 40083 | D:14     | 40083 ||| SWAPPING to +9 broad axe "Kosum" {antimagic,
                  | rC+}.
 40084 | D:14     | 40084 ||| SWAPPING to +6 heavy broad axe.
 40085 | D:14     | 40085 ||| SWAPPING to +9 broad axe "Kosum" {antimagic,
                  | rC+}.
 40086 | D:14     | 40086 ||| SWAPPING to +6 heavy broad axe.
 40087 | D:14     | 40087 ||| SWAPPING to +9 broad axe "Kosum" {antimagic,
                  | rC+}.
 40088 | D:14     | 40088 ||| SWAPPING to +6 heavy broad axe.
 40089 | D:14     | 40089 ||| SWAPPING to +9 broad axe "Kosum" {antimagic,
                  | rC+}.
 40090 | D:14     | 40090 ||| SWAPPING to +6 heavy broad axe.
 40091 | D:14     | 40091 ||| SWAPPING to +9 broad axe "Kosum" {antimagic,
                  | rC+}.
 40092 | D:14     | 40092 ||| SWAPPING to +6 heavy broad axe.
 40093 | D:14     | 40093 ||| SWAPPING to +9 broad axe "Kosum" {antimagic,
                  | rC+}.
 40094 | D:14     | 40094 ||| SWAPPING to +6 heavy broad axe.
 40095 | D:14     | 40095 ||| SWAPPING to +9 broad axe "Kosum" {antimagic,
                  | rC+}.
 40096 | D:14     | 40096 ||| SWAPPING to +6 heavy broad axe.
 40097 | D:14     | 40097 ||| SWAPPING to +9 broad axe "Kosum" {antimagic,
                  | rC+}.
 40098 | D:14     | 40098 ||| SWAPPING to +6 heavy broad axe.
 40099 | D:14     | 40099 ||| SWAPPING to +9 broad axe "Kosum" {antimagic,
                  | rC+}.
 40100 | D:14     | 40100 ||| SWAPPING to +6 heavy broad axe.
 40101 | D:14     | 40101 ||| SWAPPING to +9 broad axe "Kosum" {antimagic,
                  | rC+}.
 40102 | D:14     | 40102 ||| SWAPPING to +6 heavy broad axe.
 40103 | D:14     | 40103 ||| SWAPPING to +9 broad axe "Kosum" {antimagic,
                  | rC+}.
 40104 | D:14     | 40104 ||| SWAPPING to +6 heavy broad axe.
 40105 | D:14     | 40105 ||| SWAPPING to +9 broad axe "Kosum" {antimagic,
                  | rC+}.
 40106 | D:14     | 40106 ||| SWAPPING to +6 heavy broad axe.
 40107 | D:14     | 40107 ||| SWAPPING to +9 broad axe "Kosum" {antimagic,
                  | rC+}.
 40108 | D:14     | 40108 ||| SWAPPING to +6 heavy broad axe.
 40109 | D:14     | 40109 ||| SWAPPING to +9 broad axe "Kosum" {antimagic,
                  | rC+}.
 40110 | D:14     | 40110 ||| SWAPPING to +6 heavy broad axe.
 40111 | D:14     | 40111 ||| SWAPPING to +9 broad axe "Kosum" {antimagic,
                  | rC+}.
 40112 | D:14     | 40112 ||| SWAPPING to +6 heavy broad axe.
 40113 | D:14     | 40113 ||| SWAPPING to +9 broad axe "Kosum" {antimagic,
                  | rC+}.
 40114 | D:14     | 40114 ||| SWAPPING to +6 heavy broad axe.
 40115 | D:14     | 40115 ||| SWAPPING to +9 broad axe "Kosum" {antimagic,
                  | rC+}.
 40116 | D:14     | 40116 ||| SWAPPING to +6 heavy broad axe.
 40117 | D:14     | 40117 ||| SWAPPING to +9 broad axe "Kosum" {antimagic,
                  | rC+}.
 40118 | D:14     | 40118 ||| SWAPPING to +6 heavy broad axe.
 40119 | D:14     | 40119 ||| SWAPPING to +9 broad axe "Kosum" {antimagic,
                  | rC+}.
 40120 | D:14     | 40120 ||| SWAPPING to +6 heavy broad axe.
 40121 | D:14     | 40121 ||| SWAPPING to +9 broad axe "Kosum" {antimagic,
                  | rC+}.
 40122 | D:14     | 40122 ||| SWAPPING to +6 heavy broad axe.
 40123 | D:14     | 40123 ||| SWAPPING to +9 broad axe "Kosum" {antimagic,
                  | rC+}.
 40124 | D:14     | 40124 ||| SWAPPING to +6 heavy broad axe.
 40125 | D:14     | 40125 ||| SWAPPING to +9 broad axe "Kosum" {antimagic,
                  | rC+}.
 40126 | D:14     | 40126 ||| SWAPPING to +6 heavy broad axe.
 40127 | D:14     | 40127 ||| SWAPPING to +9 broad axe "Kosum" {antimagic,
                  | rC+}.
 40128 | D:14     | 40128 ||| SWAPPING to +6 heavy broad axe.
 40129 | D:14     | 40129 ||| SWAPPING to +9 broad axe "Kosum" {antimagic,
                  | rC+}.
 40130 | D:14     | 40130 ||| SWAPPING to +6 heavy broad axe.
 40131 | D:14     | 40131 ||| SWAPPING to +9 broad axe "Kosum" {antimagic,
                  | rC+}.
 40132 | D:14     | 40132 ||| SWAPPING to +6 heavy broad axe.
 40133 | D:14     | 40133 ||| SWAPPING to +9 broad axe "Kosum" {antimagic,
                  | rC+}.
 40134 | D:14     | 40134 ||| SWAPPING to +6 heavy broad axe.
 40135 | D:14     | 40135 ||| SWAPPING to +9 broad axe "Kosum" {antimagic,
                  | rC+}.
 40136 | D:14     | 40136 ||| SWAPPING to +6 heavy broad axe.
 40137 | D:14     | 40137 ||| SWAPPING to +9 broad axe "Kosum" {antimagic,
                  | rC+}.
 40138 | D:14     | 40138 ||| SWAPPING to +6 heavy broad axe.
 40139 | D:14     | 40139 ||| SWAPPING to +9 broad axe "Kosum" {antimagic,
                  | rC+}.
 40140 | D:14     | 40140 ||| SWAPPING to +6 heavy broad axe.
 40141 | D:14     | 40141 ||| SWAPPING to +9 broad axe "Kosum" {antimagic,
                  | rC+}.
 40142 | D:14     | 40142 ||| SWAPPING to +6 heavy broad axe.
 40143 | D:14     | 40143 ||| SWAPPING to +9 broad axe "Kosum" {antimagic,
                  | rC+}.
 40144 | D:14     | 40144 ||| SWAPPING to +6 heavy broad axe.
 40145 | D:14     | 40145 ||| SWAPPING to +9 broad axe "Kosum" {antimagic,
                  | rC+}.
 40146 | D:14     | 40146 ||| SWAPPING to +6 heavy broad axe.
 40147 | D:14     | 40147 ||| SWAPPING to +9 broad axe "Kosum" {antimagic,
                  | rC+}.
 40148 | D:14     | 40148 ||| SWAPPING to +6 heavy broad axe.
 40149 | D:14     | 40149 ||| SWAPPING to +9 broad axe "Kosum" {antimagic,
                  | rC+}.
 40150 | D:14     | 40150 ||| SWAPPING to +6 heavy broad axe.
 40151 | D:14     | 40151 ||| SWAPPING to +9 broad axe "Kosum" {antimagic,
                  | rC+}.
 40152 | D:14     | 40152 ||| SWAPPING to +6 heavy broad axe.
 40153 | D:14     | 40153 ||| SWAPPING to +9 broad axe "Kosum" {antimagic,
                  | rC+}.
 40154 | D:14     | 40154 ||| SWAPPING to +6 heavy broad axe.
 40155 | D:14     | 40155 ||| SWAPPING to +9 broad axe "Kosum" {antimagic,
                  | rC+}.
 40156 | D:14     | 40156 ||| SWAPPING to +6 heavy broad axe.
 40157 | D:14     | 40157 ||| SWAPPING to +9 broad axe "Kosum" {antimagic,
                  | rC+}.
 40158 | D:14     | 40158 ||| SWAPPING to +6 heavy broad axe.
 40159 | D:14     | 40159 ||| SWAPPING to +9 broad axe "Kosum" {antimagic,
                  | rC+}.
 40160 | D:14     | 40160 ||| SWAPPING to +6 heavy broad axe.
 40161 | D:14     | 40161 ||| SWAPPING to +9 broad axe "Kosum" {antimagic,
                  | rC+}.
 40162 | D:14     | 40162 ||| SWAPPING to +6 heavy broad axe.
 40163 | D:14     | 40163 ||| SWAPPING to +9 broad axe "Kosum" {antimagic,
                  | rC+}.
 40164 | D:14     | 40164 ||| SWAPPING to +6 heavy broad axe.
 40165 | D:14     | 40165 ||| SWAPPING to +9 broad axe "Kosum" {antimagic,
                  | rC+}.
 40166 | D:14     | 40166 ||| SWAPPING to +6 heavy broad axe.
 40167 | D:14     | 40167 ||| SWAPPING to +9 broad axe "Kosum" {antimagic,
                  | rC+}.
 40168 | D:14     | 40168 ||| SWAPPING to +6 heavy broad axe.
 40169 | D:14     | 40169 ||| SWAPPING to +9 broad axe "Kosum" {antimagic,
                  | rC+}.
 40170 | D:14     | 40170 ||| SWAPPING to +6 heavy broad axe.
 40171 | D:14     | 40171 ||| SWAPPING to +9 broad axe "Kosum" {antimagic,
                  | rC+}.
 40172 | D:14     | 40172 ||| SWAPPING to +6 heavy broad axe.
 40173 | D:14     | 40173 ||| SWAPPING to +9 broad axe "Kosum" {antimagic,
                  | rC+}.
 40174 | D:14     | 40174 ||| SWAPPING to +6 heavy broad axe.
 40175 | D:14     | 40175 ||| SWAPPING to +9 broad axe "Kosum" {antimagic,
                  | rC+}.
 40176 | D:14     | 40176 ||| SWAPPING to +6 heavy broad axe.
 40177 | D:14     | 40177 ||| SWAPPING to +9 broad axe "Kosum" {antimagic,
                  | rC+}.
 40178 | D:14     | 40178 ||| SWAPPING to +6 heavy broad axe.
 40179 | D:14     | 40179 ||| SWAPPING to +9 broad axe "Kosum" {antimagic,
                  | rC+}.
 40180 | D:14     | 40180 ||| SWAPPING to +6 heavy broad axe.
 40181 | D:14     | 40181 ||| SWAPPING to +9 broad axe "Kosum" {antimagic,
                  | rC+}.
 40182 | D:14     | 40182 ||| SWAPPING to +6 heavy broad axe.
 40183 | D:14     | 40183 ||| SWAPPING to +9 broad axe "Kosum" {antimagic,
                  | rC+}.
 40184 | D:14     | 40184 ||| SWAPPING to +6 heavy broad axe.
 40185 | D:14     | 40185 ||| SWAPPING to +9 broad axe "Kosum" {antimagic,
                  | rC+}.
 40186 | D:14     | 40186 ||| SWAPPING to +6 heavy broad axe.
 40187 | D:14     | 40187 ||| SWAPPING to +9 broad axe "Kosum" {antimagic,
                  | rC+}.
 40188 | D:14     | 40188 ||| SWAPPING to +6 heavy broad axe.
 40189 | D:14     | 40189 ||| SWAPPING to +9 broad axe "Kosum" {antimagic,
                  | rC+}.
 40190 | D:14     | 40190 ||| SWAPPING to +6 heavy broad axe.
 40191 | D:14     | 40191 ||| SWAPPING to +9 broad axe "Kosum" {antimagic,
                  | rC+}.
 40192 | D:14     | 40192 ||| SWAPPING to +6 heavy broad axe.
 40193 | D:14     | 40193 ||| SWAPPING to +9 broad axe "Kosum" {antimagic,
                  | rC+}.
 40194 | D:14     | 40194 ||| SWAPPING to +6 heavy broad axe.
 40195 | D:14     | 40195 ||| SWAPPING to +9 broad axe "Kosum" {antimagic,
                  | rC+}.
 40196 | D:14     | 40196 ||| SWAPPING to +6 heavy broad axe.
 40197 | D:14     | 40197 ||| SWAPPING to +9 broad axe "Kosum" {antimagic,
                  | rC+}.
 40198 | D:14     | 40198 ||| SWAPPING to +6 heavy broad axe.
 40199 | D:14     | 40199 ||| SWAPPING to +9 broad axe "Kosum" {antimagic,
                  | rC+}.
 40200 | D:14     | 40200 ||| SWAPPING to +6 heavy broad axe.
 40201 | D:14     | 40201 ||| SWAPPING to +9 broad axe "Kosum" {antimagic,
                  | rC+}.
 40202 | D:14     | 40202 ||| SWAPPING to +6 heavy broad axe.
 40203 | D:14     | 40203 ||| SWAPPING to +9 broad axe "Kosum" {antimagic,
                  | rC+}.
 40204 | D:14     | 40204 ||| SWAPPING to +6 heavy broad axe.
 40205 | D:14     | 40205 ||| SWAPPING to +9 broad axe "Kosum" {antimagic,
                  | rC+}.
 40206 | D:14     | 40206 ||| SWAPPING to +6 heavy broad axe.
 40207 | D:14     | 40207 ||| SWAPPING to +9 broad axe "Kosum" {antimagic,
                  | rC+}.
 40208 | D:14     | 40208 ||| SWAPPING to +6 heavy broad axe.
 40209 | D:14     | 40209 ||| SWAPPING to +9 broad axe "Kosum" {antimagic,
                  | rC+}.
 40210 | D:14     | 40210 ||| SWAPPING to +6 heavy broad axe.
 40211 | D:14     | 40211 ||| SWAPPING to +9 broad axe "Kosum" {antimagic,
                  | rC+}.
 40212 | D:14     | 40212 ||| SWAPPING to +6 heavy broad axe.
 40213 | D:14     | 40213 ||| SWAPPING to +9 broad axe "Kosum" {antimagic,
                  | rC+}.
 40214 | D:14     | 40214 ||| SWAPPING to +6 heavy broad axe.
 40215 | D:14     | 40215 ||| SWAPPING to +9 broad axe "Kosum" {antimagic,
                  | rC+}.
 40216 | D:14     | 40216 ||| SWAPPING to +6 heavy broad axe.
 40217 | D:14     | 40217 ||| SWAPPING to +9 broad axe "Kosum" {antimagic,
                  | rC+}.
 40218 | D:14     | 40218 ||| SWAPPING to +6 heavy broad axe.
 40219 | D:14     | 40219 ||| SWAPPING to +9 broad axe "Kosum" {antimagic,
                  | rC+}.
 40220 | D:14     | 40220 ||| SWAPPING to +6 heavy broad axe.
 40221 | D:14     | 40221 ||| SWAPPING to +9 broad axe "Kosum" {antimagic,
                  | rC+}.
 40222 | D:14     | 40222 ||| SWAPPING to +6 heavy broad axe.
 40223 | D:14     | 40223 ||| SWAPPING to +9 broad axe "Kosum" {antimagic,
                  | rC+}.
 40224 | D:14     | 40224 ||| SWAPPING to +6 heavy broad axe.
 40225 | D:14     | 40225 ||| SWAPPING to +9 broad axe "Kosum" {antimagic,
                  | rC+}.
 40226 | D:14     | 40226 ||| SWAPPING to +6 heavy broad axe.
 40227 | D:14     | 40227 ||| SWAPPING to +9 broad axe "Kosum" {antimagic,
                  | rC+}.
 40228 | D:14     | 40228 ||| SWAPPING to +6 heavy broad axe.
 40229 | D:14     | 40229 ||| SWAPPING to +9 broad axe "Kosum" {antimagic,
                  | rC+}.
 40230 | D:14     | 40230 ||| SWAPPING to +6 heavy broad axe.
 40231 | D:14     | 40231 ||| SWAPPING to +9 broad axe "Kosum" {antimagic,
                  | rC+}.
 40232 | D:14     | 40232 ||| SWAPPING to +6 heavy broad axe.
 40233 | D:14     | 40233 ||| SWAPPING to +9 broad axe "Kosum" {antimagic,
                  | rC+}.
 40234 | D:14     | 40234 ||| SWAPPING to +6 heavy broad axe.
 40235 | D:14     | 40235 ||| SWAPPING to +9 broad axe "Kosum" {antimagic,
                  | rC+}.
 40236 | D:14     | 40236 ||| SWAPPING to +6 heavy broad axe.
 40237 | D:14     | 40237 ||| SWAPPING to +9 broad axe "Kosum" {antimagic,
                  | rC+}.
 40238 | D:14     | 40238 ||| SWAPPING to +6 heavy broad axe.
 40239 | D:14     | 40239 ||| SWAPPING to +9 broad axe "Kosum" {antimagic,
                  | rC+}.
 40240 | D:14     | 40240 ||| SWAPPING to +6 heavy broad axe.
 40241 | D:14     | 40241 ||| SWAPPING to +9 broad axe "Kosum" {antimagic,
                  | rC+}.
 40242 | D:14     | 40242 ||| SWAPPING to +6 heavy broad axe.
 40243 | D:14     | 40243 ||| SWAPPING to +9 broad axe "Kosum" {antimagic,
                  | rC+}.
 40244 | D:14     | 40244 ||| SWAPPING to +6 heavy broad axe.
 40245 | D:14     | 40245 ||| SWAPPING to +9 broad axe "Kosum" {antimagic,
                  | rC+}.
 40246 | D:14     | 40246 ||| SWAPPING to +6 heavy broad axe.
 40247 | D:14     | 40247 ||| SWAPPING to +9 broad axe "Kosum" {antimagic,
                  | rC+}.
 40248 | D:14     | 40248 ||| SWAPPING to +6 heavy broad axe.
 40249 | D:14     | 40249 ||| SWAPPING to +9 broad axe "Kosum" {antimagic,
                  | rC+}.
 40250 | D:14     | 40250 ||| SWAPPING to +6 heavy broad axe.
 40251 | D:14     | 40251 ||| SWAPPING to +9 broad axe "Kosum" {antimagic,
                  | rC+}.
 40252 | D:14     | 40252 ||| SWAPPING to +6 heavy broad axe.
 40253 | D:14     | 40253 ||| SWAPPING to +9 broad axe "Kosum" {antimagic,
                  | rC+}.
 40254 | D:14     | 40254 ||| SWAPPING to +6 heavy broad axe.
 40255 | D:14     | 40255 ||| SWAPPING to +9 broad axe "Kosum" {antimagic,
                  | rC+}.
 40256 | D:14     | 40256 ||| SWAPPING to +6 heavy broad axe.
 40257 | D:14     | 40257 ||| SWAPPING to +9 broad axe "Kosum" {antimagic,
                  | rC+}.
 40258 | D:14     | 40258 ||| SWAPPING to +6 heavy broad axe.
 40259 | D:14     | 40259 ||| SWAPPING to +9 broad axe "Kosum" {antimagic,
                  | rC+}.
 40260 | D:14     | 40260 ||| SWAPPING to +6 heavy broad axe.
 40261 | D:14     | 40261 ||| SWAPPING to +9 broad axe "Kosum" {antimagic,
                  | rC+}.
 40262 | D:14     | 40262 ||| SWAPPING to +6 heavy broad axe.
 40263 | D:14     | 40263 ||| SWAPPING to +9 broad axe "Kosum" {antimagic,
                  | rC+}.
 40264 | D:14     | 40264 ||| SWAPPING to +6 heavy broad axe.
 40265 | D:14     | 40265 ||| SWAPPING to +9 broad axe "Kosum" {antimagic,
                  | rC+}.
 40266 | D:14     | 40266 ||| SWAPPING to +6 heavy broad axe.
 40267 | D:14     | 40267 ||| SWAPPING to +9 broad axe "Kosum" {antimagic,
                  | rC+}.
 40268 | D:14     | 40268 ||| SWAPPING to +6 heavy broad axe.
 40269 | D:14     | 40269 ||| SWAPPING to +9 broad axe "Kosum" {antimagic,
                  | rC+}.
 40270 | D:14     | 40270 ||| SWAPPING to +6 heavy broad axe.
 40271 | D:14     | 40271 ||| SWAPPING to +9 broad axe "Kosum" {antimagic,
                  | rC+}.
 40272 | D:14     | 40272 ||| SWAPPING to +6 heavy broad axe.
 40273 | D:14     | 40273 ||| SWAPPING to +9 broad axe "Kosum" {antimagic,
                  | rC+}.
 40274 | D:14     | 40274 ||| SWAPPING to +6 heavy broad axe.
 40275 | D:14     | 40275 ||| SWAPPING to +9 broad axe "Kosum" {antimagic,
                  | rC+}.
 40276 | D:14     | 40276 ||| SWAPPING to +6 heavy broad axe.
 40277 | D:14     | 40277 ||| SWAPPING to +9 broad axe "Kosum" {antimagic,
                  | rC+}.
 40278 | D:14     | 40278 ||| SWAPPING to +6 heavy broad axe.
 40279 | D:14     | 40279 ||| SWAPPING to +9 broad axe "Kosum" {antimagic,
                  | rC+}.
 40280 | D:14     | 40280 ||| SWAPPING to +6 heavy broad axe.
 40281 | D:14     | 40281 ||| SWAPPING to +9 broad axe "Kosum" {antimagic,
                  | rC+}.
 40282 | D:14     | 40282 ||| SWAPPING to +6 heavy broad axe.
 40283 | D:14     | 40283 ||| SWAPPING to +9 broad axe "Kosum" {antimagic,
                  | rC+}.
 40284 | D:14     | 40284 ||| SWAPPING to +6 heavy broad axe.
 40285 | D:14     | 40285 ||| SWAPPING to +9 broad axe "Kosum" {antimagic,
                  | rC+}.
 40286 | D:14     | 40286 ||| SWAPPING to +6 heavy broad axe.
 40287 | D:14     | 40287 ||| SWAPPING to +9 broad axe "Kosum" {antimagic,
                  | rC+}.
 40288 | D:14     | 40288 ||| SWAPPING to +6 heavy broad axe.
 40289 | D:14     | 40289 ||| SWAPPING to +9 broad axe "Kosum" {antimagic,
                  | rC+}.
 40290 | D:14     | 40290 ||| SWAPPING to +6 heavy broad axe.
 40291 | D:14     | 40291 ||| SWAPPING to +9 broad axe "Kosum" {antimagic,
                  | rC+}.
 40292 | D:14     | 40292 ||| SWAPPING to +6 heavy broad axe.
 40293 | D:14     | 40293 ||| SWAPPING to +9 broad axe "Kosum" {antimagic,
                  | rC+}.
 40294 | D:14     | 40294 ||| SWAPPING to +6 heavy broad axe.
 40295 | D:14     | 40295 ||| SWAPPING to +9 broad axe "Kosum" {antimagic,
                  | rC+}.
 40296 | D:14     | 40296 ||| SWAPPING to +6 heavy broad axe.
 40297 | D:14     | 40297 ||| SWAPPING to +9 broad axe "Kosum" {antimagic,
                  | rC+}.
 40298 | D:14     | 40298 ||| SWAPPING to +6 heavy broad axe.
 40299 | D:14     | 40299 ||| SWAPPING to +9 broad axe "Kosum" {antimagic,
                  | rC+}.
 40300 | D:14     | 40300 ||| SWAPPING to +6 heavy broad axe.
 40301 | D:14     | 40301 ||| SWAPPING to +9 broad axe "Kosum" {antimagic,
                  | rC+}.
 40302 | D:14     | 40302 ||| SWAPPING to +6 heavy broad axe.
 40303 | D:14     | 40303 ||| SWAPPING to +9 broad axe "Kosum" {antimagic,
                  | rC+}.
 40304 | D:14     | 40304 ||| SWAPPING to +6 heavy broad axe.
 40305 | D:14     | 40305 ||| SWAPPING to +9 broad axe "Kosum" {antimagic,
                  | rC+}.
 40306 | D:14     | 40306 ||| SWAPPING to +6 heavy broad axe.
 40307 | D:14     | 40307 ||| SWAPPING to +9 broad axe "Kosum" {antimagic,
                  | rC+}.
 40308 | D:14     | 40308 ||| SWAPPING to +6 heavy broad axe.
 40309 | D:14     | 40309 ||| SWAPPING to +9 broad axe "Kosum" {antimagic,
                  | rC+}.
 40310 | D:14     | 40310 ||| SWAPPING to +6 heavy broad axe.
 40311 | D:14     | 40311 ||| SWAPPING to +9 broad axe "Kosum" {antimagic,
                  | rC+}.
 40312 | D:14     | 40312 ||| SWAPPING to +6 heavy broad axe.
 40313 | D:14     | 40313 ||| SWAPPING to +9 broad axe "Kosum" {antimagic,
                  | rC+}.
 40314 | D:14     | 40314 ||| SWAPPING to +6 heavy broad axe.
 40315 | D:14     | 40315 ||| SWAPPING to +9 broad axe "Kosum" {antimagic,
                  | rC+}.
 40316 | D:14     | 40316 ||| SWAPPING to +6 heavy broad axe.
 40317 | D:14     | 40317 ||| SWAPPING to +9 broad axe "Kosum" {antimagic,
                  | rC+}.
 40318 | D:14     | 40318 ||| SWAPPING to +6 heavy broad axe.
 40319 | D:14     | 40319 ||| SWAPPING to +9 broad axe "Kosum" {antimagic,
                  | rC+}.
 40320 | D:14     | 40320 ||| SWAPPING to +6 heavy broad axe.
 40321 | D:14     | 40321 ||| SWAPPING to +9 broad axe "Kosum" {antimagic,
                  | rC+}.
 40322 | D:14     | 40322 ||| SWAPPING to +6 heavy broad axe.
 40323 | D:14     | 40323 ||| SWAPPING to +9 broad axe "Kosum" {antimagic,
                  | rC+}.
 40324 | D:14     | 40324 ||| SWAPPING to +6 heavy broad axe.
 40325 | D:14     | 40325 ||| SWAPPING to +9 broad axe "Kosum" {antimagic,
                  | rC+}.
 40326 | D:14     | 40326 ||| SWAPPING to +6 heavy broad axe.
 40327 | D:14     | 40327 ||| SWAPPING to +9 broad axe "Kosum" {antimagic,
                  | rC+}.
 40328 | D:14     | 40328 ||| SWAPPING to +6 heavy broad axe.
 40329 | D:14     | 40329 ||| SWAPPING to +9 broad axe "Kosum" {antimagic,
                  | rC+}.
 40330 | D:14     | 40330 ||| SWAPPING to +6 heavy broad axe.
 40331 | D:14     | 40331 ||| SWAPPING to +9 broad axe "Kosum" {antimagic,
                  | rC+}.
 40332 | D:14     | 40332 ||| SWAPPING to +6 heavy broad axe.
 40333 | D:14     | 40333 ||| SWAPPING to +9 broad axe "Kosum" {antimagic,
                  | rC+}.
 40334 | D:14     | 40334 ||| SWAPPING to +6 heavy broad axe.
 40335 | D:14     | 40335 ||| SWAPPING to +9 broad axe "Kosum" {antimagic,
                  | rC+}.
 40336 | D:14     | 40336 ||| SWAPPING to +6 heavy broad axe.
 40337 | D:14     | 40337 ||| SWAPPING to +9 broad axe "Kosum" {antimagic,
                  | rC+}.
 40338 | D:14     | 40338 ||| SWAPPING to +6 heavy broad axe.
 40339 | D:14     | 40339 ||| SWAPPING to +9 broad axe "Kosum" {antimagic,
                  | rC+}.
 40340 | D:14     | 40340 ||| SWAPPING to +6 heavy broad axe.
 40341 | D:14     | 40341 ||| SWAPPING to +9 broad axe "Kosum" {antimagic,
                  | rC+}.
 40342 | D:14     | 40342 ||| SWAPPING to +6 heavy broad axe.
 40343 | D:14     | 40343 ||| SWAPPING to +9 broad axe "Kosum" {antimagic,
                  | rC+}.
 40344 | D:14     | 40344 ||| SWAPPING to +6 heavy broad axe.
 40345 | D:14     | 40345 ||| SWAPPING to +9 broad axe "Kosum" {antimagic,
                  | rC+}.
 40346 | D:14     | 40346 ||| SWAPPING to +6 heavy broad axe.
 40347 | D:14     | 40347 ||| SWAPPING to +9 broad axe "Kosum" {antimagic,
                  | rC+}.
 40348 | D:14     | 40348 ||| SWAPPING to +6 heavy broad axe.
 40349 | D:14     | 40349 ||| SWAPPING to +9 broad axe "Kosum" {antimagic,
                  | rC+}.
 40350 | D:14     | 40350 ||| SWAPPING to +6 heavy broad axe.
 40351 | D:14     | 40351 ||| SWAPPING to +9 broad axe "Kosum" {antimagic,
                  | rC+}.
 40352 | D:14     | 40352 ||| SWAPPING to +6 heavy broad axe.
 40353 | D:14     | 40353 ||| SWAPPING to +9 broad axe "Kosum" {antimagic,
                  | rC+}.
 40354 | D:14     | 40354 ||| SWAPPING to +6 heavy broad axe.
 40355 | D:14     | 40355 ||| SWAPPING to +9 broad axe "Kosum" {antimagic,
                  | rC+}.
 40356 | D:14     | 40356 ||| SWAPPING to +6 heavy broad axe.
 40357 | D:14     | 40357 ||| SWAPPING to +9 broad axe "Kosum" {antimagic,
                  | rC+}.
 40358 | D:14     | 40358 ||| SWAPPING to +6 heavy broad axe.
 40359 | D:14     | 40359 ||| SWAPPING to +9 broad axe "Kosum" {antimagic,
                  | rC+}.
 40360 | D:14     | 40360 ||| SWAPPING to +6 heavy broad axe.
 40361 | D:14     | 40361 ||| SWAPPING to +9 broad axe "Kosum" {antimagic,
                  | rC+}.
 40362 | D:14     | 40362 ||| SWAPPING to +6 heavy broad axe.
 40363 | D:14     | 40363 ||| SWAPPING to +9 broad axe "Kosum" {antimagic,
                  | rC+}.
 40364 | D:14     | 40364 ||| SWAPPING to +6 heavy broad axe.
 40365 | D:14     | 40365 ||| SWAPPING to +9 broad axe "Kosum" {antimagic,
                  | rC+}.
 40366 | D:14     | 40366 ||| SWAPPING to +6 heavy broad axe.
 40367 | D:14     | 40367 ||| SWAPPING to +9 broad axe "Kosum" {antimagic,
                  | rC+}.
 40368 | D:14     | 40368 ||| SWAPPING to +6 heavy broad axe.
 40369 | D:14     | 40369 ||| SWAPPING to +9 broad axe "Kosum" {antimagic,
                  | rC+}.
 40370 | D:14     | 40370 ||| SWAPPING to +6 heavy broad axe.
 40371 | D:14     | 40371 ||| SWAPPING to +9 broad axe "Kosum" {antimagic,
                  | rC+}.
 40372 | D:14     | 40372 ||| SWAPPING to +6 heavy broad axe.
 40373 | D:14     | 40373 ||| SWAPPING to +9 broad axe "Kosum" {antimagic,
                  | rC+}.
 40374 | D:14     | 40374 ||| SWAPPING to +6 heavy broad axe.
 40375 | D:14     | 40375 ||| SWAPPING to +9 broad axe "Kosum" {antimagic,
                  | rC+}.
 40376 | D:14     | 40376 ||| SWAPPING to +6 heavy broad axe.
 40377 | D:14     | 40377 ||| SWAPPING to +9 broad axe "Kosum" {antimagic,
                  | rC+}.
 40378 | D:14     | 40378 ||| SWAPPING to +6 heavy broad axe.
 40379 | D:14     | 40379 ||| SWAPPING to +9 broad axe "Kosum" {antimagic,
                  | rC+}.
 40380 | D:14     | 40380 ||| SWAPPING to +6 heavy broad axe.
 40381 | D:14     | 40381 ||| SWAPPING to +9 broad axe "Kosum" {antimagic,
                  | rC+}.
 40382 | D:14     | 40382 ||| SWAPPING to +6 heavy broad axe.
 40383 | D:14     | 40383 ||| SWAPPING to +9 broad axe "Kosum" {antimagic,
                  | rC+}.
 40384 | D:14     | 40384 ||| SWAPPING to +6 heavy broad axe.
 40385 | D:14     | 40385 ||| SWAPPING to +9 broad axe "Kosum" {antimagic,
                  | rC+}.
 40386 | D:14     | 40386 ||| SWAPPING to +6 heavy broad axe.
 40387 | D:14     | 40387 ||| SWAPPING to +9 broad axe "Kosum" {antimagic,
                  | rC+}.
 40388 | D:14     | 40388 ||| SWAPPING to +6 heavy broad axe.
 40389 | D:14     | 40389 ||| SWAPPING to +9 broad axe "Kosum" {antimagic,
                  | rC+}.
 40390 | D:14     | 40390 ||| SWAPPING to +6 heavy broad axe.
 40391 | D:14     | 40391 ||| SWAPPING to +9 broad axe "Kosum" {antimagic,
                  | rC+}.
 40392 | D:14     | 40392 ||| SWAPPING to +6 heavy broad axe.
 40393 | D:14     | 40393 ||| SWAPPING to +9 broad axe "Kosum" {antimagic,
                  | rC+}.
 40394 | D:14     | 40394 ||| SWAPPING to +6 heavy broad axe.
 40395 | D:14     | 40395 ||| SWAPPING to +9 broad axe "Kosum" {antimagic,
                  | rC+}.
 40396 | D:14     | 40396 ||| SWAPPING to +6 heavy broad axe.
 40397 | D:14     | 40397 ||| SWAPPING to +9 broad axe "Kosum" {antimagic,
                  | rC+}.
 40398 | D:14     | 40398 ||| SWAPPING to +6 heavy broad axe.
 40399 | D:14     | 40399 ||| SWAPPING to +9 broad axe "Kosum" {antimagic,
                  | rC+}.
 40400 | D:14     | 40400 ||| SWAPPING to +6 heavy broad axe.
 40401 | D:14     | 40401 ||| SWAPPING to +9 broad axe "Kosum" {antimagic,
                  | rC+}.
 40402 | D:14     | 40402 ||| SWAPPING to +6 heavy broad axe.
 40403 | D:14     | 40403 ||| SWAPPING to +9 broad axe "Kosum" {antimagic,
                  | rC+}.
 40404 | D:14     | 40404 ||| SWAPPING to +6 heavy broad axe.
 40405 | D:14     | 40405 ||| SWAPPING to +9 broad axe "Kosum" {antimagic,
                  | rC+}.
 40406 | D:14     | 40406 ||| SWAPPING to +6 heavy broad axe.
 40407 | D:14     | 40407 ||| SWAPPING to +9 broad axe "Kosum" {antimagic,
                  | rC+}.
 40408 | D:14     | 40408 ||| SWAPPING to +6 heavy broad axe.
 40409 | D:14     | 40409 ||| SWAPPING to +9 broad axe "Kosum" {antimagic,
                  | rC+}.
 40410 | D:14     | 40410 ||| SWAPPING to +6 heavy broad axe.
 40411 | D:14     | 40411 ||| SWAPPING to +9 broad axe "Kosum" {antimagic,
                  | rC+}.
 40412 | D:14     | 40412 ||| SWAPPING to +6 heavy broad axe.
 40413 | D:14     | 40413 ||| SWAPPING to +9 broad axe "Kosum" {antimagic,
                  | rC+}.
 40414 | D:14     | 40414 ||| SWAPPING to +6 heavy broad axe.
 40415 | D:14     | 40415 ||| SWAPPING to +9 broad axe "Kosum" {antimagic,
                  | rC+}.
 40416 | D:14     | 40416 ||| SWAPPING to +6 heavy broad axe.
 40417 | D:14     | 40417 ||| SWAPPING to +9 broad axe "Kosum" {antimagic,
                  | rC+}.
 40418 | D:14     | 40418 ||| SWAPPING to +6 heavy broad axe.
 40419 | D:14     | 40419 ||| SWAPPING to +9 broad axe "Kosum" {antimagic,
                  | rC+}.
 40420 | D:14     | 40420 ||| SWAPPING to +6 heavy broad axe.
 40421 | D:14     | 40421 ||| SWAPPING to +9 broad axe "Kosum" {antimagic,
                  | rC+}.
 40422 | D:14     | 40422 ||| SWAPPING to +6 heavy broad axe.
 40423 | D:14     | 40423 ||| SWAPPING to +9 broad axe "Kosum" {antimagic,
                  | rC+}.
 40424 | D:14     | 40424 ||| SWAPPING to +6 heavy broad axe.
 40425 | D:14     | 40425 ||| SWAPPING to +9 broad axe "Kosum" {antimagic,
                  | rC+}.
 40426 | D:14     | 40426 ||| SWAPPING to +6 heavy broad axe.
 40427 | D:14     | 40427 ||| SWAPPING to +9 broad axe "Kosum" {antimagic,
                  | rC+}.
 40428 | D:14     | 40428 ||| SWAPPING to +6 heavy broad axe.
 40429 | D:14     | 40429 ||| SWAPPING to +9 broad axe "Kosum" {antimagic,
                  | rC+}.
 40430 | D:14     | 40430 ||| SWAPPING to +6 heavy broad axe.
 40431 | D:14     | 40431 ||| SWAPPING to +9 broad axe "Kosum" {antimagic,
                  | rC+}.
 40432 | D:14     | 40432 ||| SWAPPING to +6 heavy broad axe.
 40433 | D:14     | 40433 ||| SWAPPING to +9 broad axe "Kosum" {antimagic,
                  | rC+}.
 40434 | D:14     | 40434 ||| SWAPPING to +6 heavy broad axe.
 40435 | D:14     | 40435 ||| SWAPPING to +9 broad axe "Kosum" {antimagic,
                  | rC+}.
 40436 | D:14     | 40436 ||| SWAPPING to +6 heavy broad axe.
 40437 | D:14     | 40437 ||| SWAPPING to +9 broad axe "Kosum" {antimagic,
                  | rC+}.
 40438 | D:14     | 40438 ||| SWAPPING to +6 heavy broad axe.
 40439 | D:14     | 40439 ||| SWAPPING to +9 broad axe "Kosum" {antimagic,
                  | rC+}.
 40440 | D:14     | 40440 ||| SWAPPING to +6 heavy broad axe.
 40441 | D:14     | 40441 ||| SWAPPING to +9 broad axe "Kosum" {antimagic,
                  | rC+}.
 40442 | D:14     | 40442 ||| SWAPPING to +6 heavy broad axe.
 40443 | D:14     | 40443 ||| SWAPPING to +9 broad axe "Kosum" {antimagic,
                  | rC+}.
 40444 | D:14     | 40444 ||| SWAPPING to +6 heavy broad axe.
 40445 | D:14     | 40445 ||| SWAPPING to +9 broad axe "Kosum" {antimagic,
                  | rC+}.
 40446 | D:14     | 40446 ||| SWAPPING to +6 heavy broad axe.
 40447 | D:14     | 40447 ||| SWAPPING to +9 broad axe "Kosum" {antimagic,
                  | rC+}.
 40448 | D:14     | 40448 ||| SWAPPING to +6 heavy broad axe.
 40449 | D:14     | 40449 ||| SWAPPING to +9 broad axe "Kosum" {antimagic,
                  | rC+}.
 40450 | D:14     | 40450 ||| SWAPPING to +6 heavy broad axe.
 40451 | D:14     | 40451 ||| SWAPPING to +9 broad axe "Kosum" {antimagic,
                  | rC+}.
 40452 | D:14     | 40452 ||| SWAPPING to +6 heavy broad axe.
 40453 | D:14     | 40453 ||| SWAPPING to +9 broad axe "Kosum" {antimagic,
                  | rC+}.
 40454 | D:14     | 40454 ||| SWAPPING to +6 heavy broad axe.
 40455 | D:14     | 40455 ||| SWAPPING to +9 broad axe "Kosum" {antimagic,
                  | rC+}.
 40456 | D:14     | 40456 ||| SWAPPING to +6 heavy broad axe.
 40457 | D:14     | 40457 ||| SWAPPING to +9 broad axe "Kosum" {antimagic,
                  | rC+}.
 40458 | D:14     | 40458 ||| SWAPPING to +6 heavy broad axe.
 40459 | D:14     | 40459 ||| SWAPPING to +9 broad axe "Kosum" {antimagic,
                  | rC+}.
 40460 | D:14     | 40460 ||| SWAPPING to +6 heavy broad axe.
 40461 | D:14     | 40461 ||| SWAPPING to +9 broad axe "Kosum" {antimagic,
                  | rC+}.
 40462 | D:14     | 40462 ||| SWAPPING to +6 heavy broad axe.
 40463 | D:14     | 40463 ||| SWAPPING to +9 broad axe "Kosum" {antimagic,
                  | rC+}.
 40464 | D:14     | 40464 ||| SWAPPING to +6 heavy broad axe.
 40465 | D:14     | 40465 ||| SWAPPING to +9 broad axe "Kosum" {antimagic,
                  | rC+}.
 40466 | D:14     | 40466 ||| SWAPPING to +6 heavy broad axe.
 40467 | D:14     | 40467 ||| SWAPPING to +9 broad axe "Kosum" {antimagic,
                  | rC+}.
 40468 | D:14     | 40468 ||| SWAPPING to +6 heavy broad axe.
 40469 | D:14     | 40469 ||| SWAPPING to +9 broad axe "Kosum" {antimagic,
                  | rC+}.
 40470 | D:14     | 40470 ||| SWAPPING to +6 heavy broad axe.
 40471 | D:14     | 40471 ||| SWAPPING to +9 broad axe "Kosum" {antimagic,
                  | rC+}.
 40472 | D:14     | 40472 ||| SWAPPING to +6 heavy broad axe.
 40473 | D:14     | 40473 ||| SWAPPING to +9 broad axe "Kosum" {antimagic,
                  | rC+}.
 40474 | D:14     | 40474 ||| SWAPPING to +6 heavy broad axe.
 40475 | D:14     | 40475 ||| SWAPPING to +9 broad axe "Kosum" {antimagic,
                  | rC+}.
 40476 | D:14     | 40476 ||| SWAPPING to +6 heavy broad axe.
 40477 | D:14     | 40477 ||| SWAPPING to +9 broad axe "Kosum" {antimagic,
                  | rC+}.
 40478 | D:14     | 40478 ||| SWAPPING to +6 heavy broad axe.
 40479 | D:14     | 40479 ||| SWAPPING to +9 broad axe "Kosum" {antimagic,
                  | rC+}.
 40480 | D:14     | 40480 ||| SWAPPING to +6 heavy broad axe.
 40481 | D:14     | 40481 ||| SWAPPING to +9 broad axe "Kosum" {antimagic,
                  | rC+}.
 40482 | D:14     | 40482 ||| SWAPPING to +6 heavy broad axe.
 40483 | D:14     | 40483 ||| SWAPPING to +9 broad axe "Kosum" {antimagic,
                  | rC+}.
 40484 | D:14     | 40484 ||| SWAPPING to +6 heavy broad axe.
 40485 | D:14     | 40485 ||| SWAPPING to +9 broad axe "Kosum" {antimagic,
                  | rC+}.
 40486 | D:14     | 40486 ||| SWAPPING to +6 heavy broad axe.
 40487 | D:14     | 40487 ||| SWAPPING to +9 broad axe "Kosum" {antimagic,
                  | rC+}.
 40488 | D:14     | 40488 ||| SWAPPING to +6 heavy broad axe.
 40489 | D:14     | 40489 ||| SWAPPING to +9 broad axe "Kosum" {antimagic,
                  | rC+}.
 40490 | D:14     | 40490 ||| SWAPPING to +6 heavy broad axe.
 40491 | D:14     | 40491 ||| SWAPPING to +9 broad axe "Kosum" {antimagic,
                  | rC+}.
 40492 | D:14     | 40492 ||| SWAPPING to +6 heavy broad axe.
 40493 | D:14     | 40493 ||| SWAPPING to +9 broad axe "Kosum" {antimagic,
                  | rC+}.
 40494 | D:14     | 40494 ||| SWAPPING to +6 heavy broad axe.
 40495 | D:14     | 40495 ||| SWAPPING to +9 broad axe "Kosum" {antimagic,
                  | rC+}.
 40496 | D:14     | 40496 ||| SWAPPING to +6 heavy broad axe.
 40497 | D:14     | 40497 ||| SWAPPING to +9 broad axe "Kosum" {antimagic,
                  | rC+}.
 40498 | D:14     | 40498 ||| SWAPPING to +6 heavy broad axe.
 40499 | D:14     | 40499 ||| SWAPPING to +9 broad axe "Kosum" {antimagic,
                  | rC+}.
 40500 | D:14     | 40500 ||| SWAPPING to +6 heavy broad axe.
 40501 | D:14     | 40501 ||| SWAPPING to +9 broad axe "Kosum" {antimagic,
                  | rC+}.
 40502 | D:14     | 40502 ||| SWAPPING to +6 heavy broad axe.
 40503 | D:14     | 40503 ||| SWAPPING to +9 broad axe "Kosum" {antimagic,
                  | rC+}.
 40504 | D:14     | 40504 ||| SWAPPING to +6 heavy broad axe.
 40505 | D:14     | 40505 ||| SWAPPING to +9 broad axe "Kosum" {antimagic,
                  | rC+}.
 40506 | D:14     | 40506 ||| SWAPPING to +6 heavy broad axe.
 40507 | D:14     | 40507 ||| SWAPPING to +9 broad axe "Kosum" {antimagic,
                  | rC+}.
 40508 | D:14     | 40508 ||| SWAPPING to +6 heavy broad axe.
 40509 | D:14     | 40509 ||| SWAPPING to +9 broad axe "Kosum" {antimagic,
                  | rC+}.
 40510 | D:14     | 40510 ||| SWAPPING to +6 heavy broad axe.
 40511 | D:14     | 40511 ||| SWAPPING to +9 broad axe "Kosum" {antimagic,
                  | rC+}.
 40512 | D:14     | 40512 ||| SWAPPING to +6 heavy broad axe.
 40513 | D:14     | 40513 ||| SWAPPING to +9 broad axe "Kosum" {antimagic,
                  | rC+}.
 40514 | D:14     | 40514 ||| SWAPPING to +6 heavy broad axe.
 40515 | D:14     | 40515 ||| SWAPPING to +9 broad axe "Kosum" {antimagic,
                  | rC+}.
 40516 | D:14     | 40516 ||| SWAPPING to +6 heavy broad axe.
 40517 | D:14     | 40517 ||| SWAPPING to +9 broad axe "Kosum" {antimagic,
                  | rC+}.
 40518 | D:14     | 40518 ||| SWAPPING to +6 heavy broad axe.
 40519 | D:14     | 40519 ||| SWAPPING to +9 broad axe "Kosum" {antimagic,
                  | rC+}.
 40520 | D:14     | 40520 ||| SWAPPING to +6 heavy broad axe.
 40521 | D:14     | 40521 ||| SWAPPING to +9 broad axe "Kosum" {antimagic,
                  | rC+}.
 40522 | D:14     | 40522 ||| SWAPPING to +6 heavy broad axe.
 40523 | D:14     | 40523 ||| SWAPPING to +9 broad axe "Kosum" {antimagic,
                  | rC+}.
 40524 | D:14     | 40524 ||| SWAPPING to +6 heavy broad axe.
 40525 | D:14     | 40525 ||| SWAPPING to +9 broad axe "Kosum" {antimagic,
                  | rC+}.
 40526 | D:14     | 40526 ||| SWAPPING to +6 heavy broad axe.
 40527 | D:14     | 40527 ||| SWAPPING to +9 broad axe "Kosum" {antimagic,
                  | rC+}.
 40528 | D:14     | 40528 ||| SWAPPING to +6 heavy broad axe.
 40529 | D:14     | 40529 ||| SWAPPING to +9 broad axe "Kosum" {antimagic,
                  | rC+}.
 40530 | D:14     | 40530 ||| SWAPPING to +6 heavy broad axe.
 40531 | D:14     | 40531 ||| SWAPPING to +9 broad axe "Kosum" {antimagic,
                  | rC+}.
 40532 | D:14     | 40532 ||| SWAPPING to +6 heavy broad axe.
 40533 | D:14     | 40533 ||| SWAPPING to +9 broad axe "Kosum" {antimagic,
                  | rC+}.
 40534 | D:14     | 40534 ||| SWAPPING to +6 heavy broad axe.
 40535 | D:14     | 40535 ||| SWAPPING to +9 broad axe "Kosum" {antimagic,
                  | rC+}.
 40536 | D:14     | 40536 ||| SWAPPING to +6 heavy broad axe.
 40537 | D:14     | 40537 ||| SWAPPING to +9 broad axe "Kosum" {antimagic,
                  | rC+}.
 40538 | D:14     | 40538 ||| SWAPPING to +6 heavy broad axe.
 40539 | D:14     | 40539 ||| SWAPPING to +9 broad axe "Kosum" {antimagic,
                  | rC+}.
 40540 | D:14     | 40540 ||| SWAPPING to +6 heavy broad axe.
 40541 | D:14     | 40541 ||| SWAPPING to +9 broad axe "Kosum" {antimagic,
                  | rC+}.
 40542 | D:14     | 40542 ||| SWAPPING to +6 heavy broad axe.
 40543 | D:14     | 40543 ||| SWAPPING to +9 broad axe "Kosum" {antimagic,
                  | rC+}.
 40544 | D:14     | 40544 ||| SWAPPING to +6 heavy broad axe.
 40545 | D:14     | 40545 ||| SWAPPING to +9 broad axe "Kosum" {antimagic,
                  | rC+}.
 40546 | D:14     | 40546 ||| SWAPPING to +6 heavy broad axe.
 40547 | D:14     | 40547 ||| SWAPPING to +9 broad axe "Kosum" {antimagic,
                  | rC+}.
 40548 | D:14     | 40548 ||| SWAPPING to +6 heavy broad axe.
 40549 | D:14     | 40549 ||| SWAPPING to +9 broad axe "Kosum" {antimagic,
                  | rC+}.
 40550 | D:14     | 40550 ||| SWAPPING to +6 heavy broad axe.
 40551 | D:14     | 40551 ||| SWAPPING to +9 broad axe "Kosum" {antimagic,
                  | rC+}.
 40552 | D:14     | 40552 ||| SWAPPING to +6 heavy broad axe.
 40553 | D:14     | 40553 ||| SWAPPING to +9 broad axe "Kosum" {antimagic,
                  | rC+}.
 40554 | D:14     | 40554 ||| SWAPPING to +6 heavy broad axe.
 40555 | D:14     | 40555 ||| SWAPPING to +9 broad axe "Kosum" {antimagic,
                  | rC+}.
 40556 | D:14     | 40556 ||| SWAPPING to +6 heavy broad axe.
 40557 | D:14     | 40557 ||| SWAPPING to +9 broad axe "Kosum" {antimagic,
                  | rC+}.
 40558 | D:14     | 40558 ||| SWAPPING to +6 heavy broad axe.
 40559 | D:14     | 40559 ||| SWAPPING to +9 broad axe "Kosum" {antimagic,
                  | rC+}.
 40560 | D:14     | 40560 ||| SWAPPING to +6 heavy broad axe.
 40561 | D:14     | 40561 ||| SWAPPING to +9 broad axe "Kosum" {antimagic,
                  | rC+}.
 40562 | D:14     | 40562 ||| SWAPPING to +6 heavy broad axe.
 40563 | D:14     | 40563 ||| SWAPPING to +9 broad axe "Kosum" {antimagic,
                  | rC+}.
 40564 | D:14     | 40564 ||| SWAPPING to +6 heavy broad axe.
 40565 | D:14     | 40565 ||| SWAPPING to +9 broad axe "Kosum" {antimagic,
                  | rC+}.
 40566 | D:14     | 40566 ||| SWAPPING to +6 heavy broad axe.
 40567 | D:14     | 40567 ||| SWAPPING to +9 broad axe "Kosum" {antimagic,
                  | rC+}.
 40568 | D:14     | 40568 ||| SWAPPING to +6 heavy broad axe.
 40569 | D:14     | 40569 ||| SWAPPING to +9 broad axe "Kosum" {antimagic,
                  | rC+}.
 40570 | D:14     | 40570 ||| SWAPPING to +6 heavy broad axe.
 40571 | D:14     | 40571 ||| SWAPPING to +9 broad axe "Kosum" {antimagic,
                  | rC+}.
 40572 | D:14     | 40572 ||| SWAPPING to +6 heavy broad axe.
 40573 | D:14     | 40573 ||| SWAPPING to +9 broad axe "Kosum" {antimagic,
                  | rC+}.
 40574 | D:14     | 40574 ||| SWAPPING to +6 heavy broad axe.
 40575 | D:14     | 40575 ||| SWAPPING to +9 broad axe "Kosum" {antimagic,
                  | rC+}.
 40576 | D:14     | 40576 ||| SWAPPING to +6 heavy broad axe.
 40577 | D:14     | 40577 ||| SWAPPING to +9 broad axe "Kosum" {antimagic,
                  | rC+}.
 40578 | D:14     | 40578 ||| SWAPPING to +6 heavy broad axe.
 40579 | D:14     | 40579 ||| SWAPPING to +9 broad axe "Kosum" {antimagic,
                  | rC+}.
 40580 | D:14     | 40580 ||| SWAPPING to +6 heavy broad axe.
 40581 | D:14     | 40581 ||| SWAPPING to +9 broad axe "Kosum" {antimagic,
                  | rC+}.
 40582 | D:14     | 40582 ||| SWAPPING to +6 heavy broad axe.
 40583 | D:14     | 40583 ||| SWAPPING to +9 broad axe "Kosum" {antimagic,
                  | rC+}.
 40584 | D:14     | 40584 ||| SWAPPING to +6 heavy broad axe.
 40585 | D:14     | 40585 ||| SWAPPING to +9 broad axe "Kosum" {antimagic,
                  | rC+}.
 40586 | D:14     | 40586 ||| SWAPPING to +6 heavy broad axe.
 40587 | D:14     | 40587 ||| SWAPPING to +9 broad axe "Kosum" {antimagic,
                  | rC+}.
 40588 | D:14     | 40588 ||| SWAPPING to +6 heavy broad axe.
 40589 | D:14     | 40589 ||| SWAPPING to +9 broad axe "Kosum" {antimagic,
                  | rC+}.
 40590 | D:14     | 40590 ||| SWAPPING to +6 heavy broad axe.
 40591 | D:14     | 40591 ||| SWAPPING to +9 broad axe "Kosum" {antimagic,
                  | rC+}.
 40592 | D:14     | 40592 ||| SWAPPING to +6 heavy broad axe.
 40593 | D:14     | 40593 ||| SWAPPING to +9 broad axe "Kosum" {antimagic,
                  | rC+}.
 40594 | D:14     | 40594 ||| SWAPPING to +6 heavy broad axe.
 40595 | D:14     | 40595 ||| SWAPPING to +9 broad axe "Kosum" {antimagic,
                  | rC+}.
 40596 | D:14     | 40596 ||| SWAPPING to +6 heavy broad axe.
 40597 | D:14     | 40597 ||| SWAPPING to +9 broad axe "Kosum" {antimagic,
                  | rC+}.
 40598 | D:14     | 40598 ||| SWAPPING to +6 heavy broad axe.
 40599 | D:14     | 40599 ||| SWAPPING to +9 broad axe "Kosum" {antimagic,
                  | rC+}.
 40600 | D:14     | 40600 ||| SWAPPING to +6 heavy broad axe.
 40601 | D:14     | 40601 ||| SWAPPING to +9 broad axe "Kosum" {antimagic,
                  | rC+}.
 40602 | D:14     | 40602 ||| SWAPPING to +6 heavy broad axe.
 40603 | D:14     | 40603 ||| SWAPPING to +9 broad axe "Kosum" {antimagic,
                  | rC+}.
 40604 | D:14     | 40604 ||| SWAPPING to +6 heavy broad axe.
 40605 | D:14     | 40605 ||| SWAPPING to +9 broad axe "Kosum" {antimagic,
                  | rC+}.
 40606 | D:14     | 40606 ||| SWAPPING to +6 heavy broad axe.
 40607 | D:14     | 40607 ||| SWAPPING to +9 broad axe "Kosum" {antimagic,
                  | rC+}.
 40608 | D:14     | 40608 ||| SWAPPING to +6 heavy broad axe.
 40609 | D:14     | 40609 ||| SWAPPING to +9 broad axe "Kosum" {antimagic,
                  | rC+}.
 40610 | D:14     | 40610 ||| SWAPPING to +6 heavy broad axe.
 40611 | D:14     | 40611 ||| SWAPPING to +9 broad axe "Kosum" {antimagic,
                  | rC+}.
 40612 | D:14     | 40612 ||| SWAPPING to +6 heavy broad axe.
 40613 | D:14     | 40613 ||| SWAPPING to +9 broad axe "Kosum" {antimagic,
                  | rC+}.
 40614 | D:14     | 40614 ||| SWAPPING to +6 heavy broad axe.
 40615 | D:14     | 40615 ||| SWAPPING to +9 broad axe "Kosum" {antimagic,
                  | rC+}.
 40616 | D:14     | 40616 ||| SWAPPING to +6 heavy broad axe.
 40617 | D:14     | 40617 ||| SWAPPING to +9 broad axe "Kosum" {antimagic,
                  | rC+}.
 40618 | D:14     | 40618 ||| SWAPPING to +6 heavy broad axe.
 40619 | D:14     | 40619 ||| SWAPPING to +9 broad axe "Kosum" {antimagic,
                  | rC+}.
 40620 | D:14     | 40620 ||| SWAPPING to +6 heavy broad axe.
 40621 | D:14     | 40621 ||| SWAPPING to +9 broad axe "Kosum" {antimagic,
                  | rC+}.
 40622 | D:14     | 40622 ||| SWAPPING to +6 heavy broad axe.
 40623 | D:14     | 40623 ||| SWAPPING to +9 broad axe "Kosum" {antimagic,
                  | rC+}.
 40624 | D:14     | 40624 ||| SWAPPING to +6 heavy broad axe.
 40625 | D:14     | 40625 ||| SWAPPING to +9 broad axe "Kosum" {antimagic,
                  | rC+}.
 40626 | D:14     | 40626 ||| SWAPPING to +6 heavy broad axe.
 40627 | D:14     | 40627 ||| SWAPPING to +9 broad axe "Kosum" {antimagic,
                  | rC+}.
 40628 | D:14     | 40628 ||| SWAPPING to +6 heavy broad axe.
 40629 | D:14     | 40629 ||| SWAPPING to +9 broad axe "Kosum" {antimagic,
                  | rC+}.
 40630 | D:14     | 40630 ||| SWAPPING to +6 heavy broad axe.
 40631 | D:14     | 40631 ||| SWAPPING to +9 broad axe "Kosum" {antimagic,
                  | rC+}.
 40632 | D:14     | 40632 ||| SWAPPING to +6 heavy broad axe.
 40633 | D:14     | 40633 ||| SWAPPING to +9 broad axe "Kosum" {antimagic,
                  | rC+}.
 40634 | D:14     | 40634 ||| SWAPPING to +6 heavy broad axe.
 40635 | D:14     | 40635 ||| SWAPPING to +9 broad axe "Kosum" {antimagic,
                  | rC+}.
 40636 | D:14     | 40636 ||| SWAPPING to +6 heavy broad axe.
 40637 | D:14     | 40637 ||| SWAPPING to +9 broad axe "Kosum" {antimagic,
                  | rC+}.
 40638 | D:14     | 40638 ||| SWAPPING to +6 heavy broad axe.
 40639 | D:14     | 40639 ||| SWAPPING to +9 broad axe "Kosum" {antimagic,
                  | rC+}.
 40640 | D:14     | 40640 ||| SWAPPING to +6 heavy broad axe.
 40641 | D:14     | 40641 ||| SWAPPING to +9 broad axe "Kosum" {antimagic,
                  | rC+}.
 40642 | D:14     | 40642 ||| SWAPPING to +6 heavy broad axe.
 40643 | D:14     | 40643 ||| SWAPPING to +9 broad axe "Kosum" {antimagic,
                  | rC+}.
 40644 | D:14     | 40644 ||| SWAPPING to +6 heavy broad axe.
 40645 | D:14     | 40645 ||| SWAPPING to +9 broad axe "Kosum" {antimagic,
                  | rC+}.
 40646 | D:14     | 40646 ||| SWAPPING to +6 heavy broad axe.
 40647 | D:14     | 40647 ||| SWAPPING to +9 broad axe "Kosum" {antimagic,
                  | rC+}.
 40648 | D:14     | 40648 ||| SWAPPING to +6 heavy broad axe.
 40649 | D:14     | 40649 ||| SWAPPING to +9 broad axe "Kosum" {antimagic,
                  | rC+}.
 40650 | D:14     | 40650 ||| SWAPPING to +6 heavy broad axe.
 40651 | D:14     | 40651 ||| SWAPPING to +9 broad axe "Kosum" {antimagic,
                  | rC+}.
 40652 | D:14     | 40652 ||| SWAPPING to +6 heavy broad axe.
 40653 | D:14     | 40653 ||| SWAPPING to +9 broad axe "Kosum" {antimagic,
                  | rC+}.
 40654 | D:14     | 40654 ||| SWAPPING to +6 heavy broad axe.
 40655 | D:14     | 40655 ||| SWAPPING to +9 broad axe "Kosum" {antimagic,
                  | rC+}.
 40656 | D:14     | 40656 ||| SWAPPING to +6 heavy broad axe.
 40657 | D:14     | 40657 ||| SWAPPING to +9 broad axe "Kosum" {antimagic,
                  | rC+}.
 40658 | D:14     | 40658 ||| SWAPPING to +6 heavy broad axe.
 40659 | D:14     | 40659 ||| SWAPPING to +9 broad axe "Kosum" {antimagic,
                  | rC+}.
 40660 | D:14     | 40660 ||| SWAPPING to +6 heavy broad axe.
 40661 | D:14     | 40661 ||| SWAPPING to +9 broad axe "Kosum" {antimagic,
                  | rC+}.
 40662 | D:14     | 40662 ||| SWAPPING to +6 heavy broad axe.
 40663 | D:14     | 40663 ||| SWAPPING to +9 broad axe "Kosum" {antimagic,
                  | rC+}.
 40664 | D:14     | 40664 ||| SWAPPING to +6 heavy broad axe.
 40665 | D:14     | 40665 ||| SWAPPING to +9 broad axe "Kosum" {antimagic,
                  | rC+}.
 40666 | D:14     | 40666 ||| SWAPPING to +6 heavy broad axe.
 40667 | D:14     | 40667 ||| SWAPPING to +9 broad axe "Kosum" {antimagic,
                  | rC+}.
 40668 | D:14     | 40668 ||| SWAPPING to +6 heavy broad axe.
 40669 | D:14     | 40669 ||| SWAPPING to +9 broad axe "Kosum" {antimagic,
                  | rC+}.
 40670 | D:14     | 40670 ||| SWAPPING to +6 heavy broad axe.
 40671 | D:14     | 40671 ||| SWAPPING to +9 broad axe "Kosum" {antimagic,
                  | rC+}.
 40672 | D:14     | 40672 ||| SWAPPING to +6 heavy broad axe.
 40673 | D:14     | 40673 ||| SWAPPING to +9 broad axe "Kosum" {antimagic,
                  | rC+}.
 40674 | D:14     | 40674 ||| SWAPPING to +6 heavy broad axe.
 40675 | D:14     | 40675 ||| SWAPPING to +9 broad axe "Kosum" {antimagic,
                  | rC+}.
 40676 | D:14     | 40676 ||| SWAPPING to +6 heavy broad axe.
 40677 | D:14     | 40677 ||| SWAPPING to +9 broad axe "Kosum" {antimagic,
                  | rC+}.
 40678 | D:14     | 40678 ||| SWAPPING to +6 heavy broad axe.
 40679 | D:14     | 40679 ||| SWAPPING to +9 broad axe "Kosum" {antimagic,
                  | rC+}.
 40680 | D:14     | 40680 ||| SWAPPING to +6 heavy broad axe.
 40681 | D:14     | 40681 ||| SWAPPING to +9 broad axe "Kosum" {antimagic,
                  | rC+}.
 40682 | D:14     | 40682 ||| SWAPPING to +6 heavy broad axe.
 40683 | D:14     | 40683 ||| SWAPPING to +9 broad axe "Kosum" {antimagic,
                  | rC+}.
 40684 | D:14     | 40684 ||| SWAPPING to +6 heavy broad axe.
 40685 | D:14     | 40685 ||| SWAPPING to +9 broad axe "Kosum" {antimagic,
                  | rC+}.
 40686 | D:14     | 40686 ||| SWAPPING to +6 heavy broad axe.
 40687 | D:14     | 40687 ||| SWAPPING to +9 broad axe "Kosum" {antimagic,
                  | rC+}.
 40688 | D:14     | 40688 ||| SWAPPING to +6 heavy broad axe.
 40689 | D:14     | 40689 ||| SWAPPING to +9 broad axe "Kosum" {antimagic,
                  | rC+}.
 40690 | D:14     | 40690 ||| SWAPPING to +6 heavy broad axe.
 40691 | D:14     | 40691 ||| SWAPPING to +9 broad axe "Kosum" {antimagic,
                  | rC+}.
 40692 | D:14     | 40692 ||| SWAPPING to +6 heavy broad axe.
 40693 | D:14     | 40693 ||| SWAPPING to +9 broad axe "Kosum" {antimagic,
                  | rC+}.
 40694 | D:14     | 40694 ||| SWAPPING to +6 heavy broad axe.
 40695 | D:14     | 40695 ||| SWAPPING to +9 broad axe "Kosum" {antimagic,
                  | rC+}.
 40696 | D:14     | 40696 ||| SWAPPING to +6 heavy broad axe.
 40697 | D:14     | 40697 ||| SWAPPING to +9 broad axe "Kosum" {antimagic,
                  | rC+}.
 40698 | D:14     | 40698 ||| SWAPPING to +6 heavy broad axe.
 40699 | D:14     | 40699 ||| SWAPPING to +9 broad axe "Kosum" {antimagic,
                  | rC+}.
 40700 | D:14     | 40700 ||| SWAPPING to +6 heavy broad axe.
 40701 | D:14     | 40701 ||| SWAPPING to +9 broad axe "Kosum" {antimagic,
                  | rC+}.
 40702 | D:14     | 40702 ||| SWAPPING to +6 heavy broad axe.
 40703 | D:14     | 40703 ||| SWAPPING to +9 broad axe "Kosum" {antimagic,
                  | rC+}.
 40704 | D:14     | 40704 ||| SWAPPING to +6 heavy broad axe.
 40705 | D:14     | 40705 ||| SWAPPING to +9 broad axe "Kosum" {antimagic,
                  | rC+}.
 40706 | D:14     | 40706 ||| SWAPPING to +6 heavy broad axe.
 40707 | D:14     | 40707 ||| SWAPPING to +9 broad axe "Kosum" {antimagic,
                  | rC+}.
 40708 | D:14     | 40708 ||| SWAPPING to +6 heavy broad axe.
 40709 | D:14     | 40709 ||| SWAPPING to +9 broad axe "Kosum" {antimagic,
                  | rC+}.
 40710 | D:14     | 40710 ||| SWAPPING to +6 heavy broad axe.
 40711 | D:14     | 40711 ||| SWAPPING to +9 broad axe "Kosum" {antimagic,
                  | rC+}.
 40712 | D:14     | 40712 ||| SWAPPING to +6 heavy broad axe.
 40713 | D:14     | 40713 ||| SWAPPING to +9 broad axe "Kosum" {antimagic,
                  | rC+}.
 40714 | D:14     | 40714 ||| SWAPPING to +6 heavy broad axe.
 40715 | D:14     | 40715 ||| SWAPPING to +9 broad axe "Kosum" {antimagic,
                  | rC+}.
 40716 | D:14     | 40716 ||| SWAPPING to +6 heavy broad axe.
 40717 | D:14     | 40717 ||| SWAPPING to +9 broad axe "Kosum" {antimagic,
                  | rC+}.
 40718 | D:14     | 40718 ||| SWAPPING to +6 heavy broad axe.
 40719 | D:14     | 40719 ||| SWAPPING to +9 broad axe "Kosum" {antimagic,
                  | rC+}.
 40720 | D:14     | 40720 ||| SWAPPING to +6 heavy broad axe.
 40721 | D:14     | 40721 ||| SWAPPING to +9 broad axe "Kosum" {antimagic,
                  | rC+}.
 40722 | D:14     | 40722 ||| SWAPPING to +6 heavy broad axe.
 40723 | D:14     | 40723 ||| SWAPPING to +9 broad axe "Kosum" {antimagic,
                  | rC+}.
 40724 | D:14     | 40724 ||| SWAPPING to +6 heavy broad axe.
 40725 | D:14     | 40725 ||| SWAPPING to +9 broad axe "Kosum" {antimagic,
                  | rC+}.
 40726 | D:14     | 40726 ||| SWAPPING to +6 heavy broad axe.
 40727 | D:14     | 40727 ||| SWAPPING to +9 broad axe "Kosum" {antimagic,
                  | rC+}.
 40728 | D:14     | 40728 ||| SWAPPING to +6 heavy broad axe.
 40729 | D:14     | 40729 ||| SWAPPING to +9 broad axe "Kosum" {antimagic,
                  | rC+}.
 40730 | D:14     | 40730 ||| SWAPPING to +6 heavy broad axe.
 40731 | D:14     | 40731 ||| SWAPPING to +9 broad axe "Kosum" {antimagic,
                  | rC+}.
 40732 | D:14     | 40732 ||| SWAPPING to +6 heavy broad axe.
 40733 | D:14     | 40733 ||| SWAPPING to +9 broad axe "Kosum" {antimagic,
                  | rC+}.
 40734 | D:14     | 40734 ||| SWAPPING to +6 heavy broad axe.
 40735 | D:14     | 40735 ||| SWAPPING to +9 broad axe "Kosum" {antimagic,
                  | rC+}.
 40736 | D:14     | 40736 ||| SWAPPING to +6 heavy broad axe.
 40737 | D:14     | 40737 ||| SWAPPING to +9 broad axe "Kosum" {antimagic,
                  | rC+}.
 40738 | D:14     | 40738 ||| SWAPPING to +6 heavy broad axe.
 40739 | D:14     | 40739 ||| SWAPPING to +9 broad axe "Kosum" {antimagic,
                  | rC+}.
 40740 | D:14     | 40740 ||| SWAPPING to +6 heavy broad axe.
 40741 | D:14     | 40741 ||| SWAPPING to +9 broad axe "Kosum" {antimagic,
                  | rC+}.
 40742 | D:14     | 40742 ||| SWAPPING to +6 heavy broad axe.
 40743 | D:14     | 40743 ||| SWAPPING to +9 broad axe "Kosum" {antimagic,
                  | rC+}.
 40744 | D:14     | 40744 ||| SWAPPING to +6 heavy broad axe.
 40745 | D:14     | 40745 ||| SWAPPING to +9 broad axe "Kosum" {antimagic,
                  | rC+}.
 40746 | D:14     | 40746 ||| SWAPPING to +6 heavy broad axe.
 40747 | D:14     | 40747 ||| SWAPPING to +9 broad axe "Kosum" {antimagic,
                  | rC+}.
 40748 | D:14     | 40748 ||| SWAPPING to +6 heavy broad axe.
 40749 | D:14     | 40749 ||| SWAPPING to +9 broad axe "Kosum" {antimagic,
                  | rC+}.
 40750 | D:14     | 40750 ||| SWAPPING to +6 heavy broad axe.
 40751 | D:14     | 40751 ||| SWAPPING to +9 broad axe "Kosum" {antimagic,
                  | rC+}.
 40752 | D:14     | 40752 ||| SWAPPING to +6 heavy broad axe.
 40753 | D:14     | 40753 ||| SWAPPING to +9 broad axe "Kosum" {antimagic,
                  | rC+}.
 40754 | D:14     | 40754 ||| SWAPPING to +6 heavy broad axe.
 40755 | D:14     | 40755 ||| SWAPPING to +9 broad axe "Kosum" {antimagic,
                  | rC+}.
 40756 | D:14     | 40756 ||| SWAPPING to +6 heavy broad axe.
 40757 | D:14     | 40757 ||| SWAPPING to +9 broad axe "Kosum" {antimagic,
                  | rC+}.
 40758 | D:14     | 40758 ||| SWAPPING to +6 heavy broad axe.
 40759 | D:14     | 40759 ||| SWAPPING to +9 broad axe "Kosum" {antimagic,
                  | rC+}.
 40760 | D:14     | 40760 ||| SWAPPING to +6 heavy broad axe.
 40761 | D:14     | 40761 ||| SWAPPING to +9 broad axe "Kosum" {antimagic,
                  | rC+}.
 40762 | D:14     | 40762 ||| SWAPPING to +6 heavy broad axe.
 40763 | D:14     | 40763 ||| SWAPPING to +9 broad axe "Kosum" {antimagic,
                  | rC+}.
 40764 | D:14     | 40764 ||| SWAPPING to +6 heavy broad axe.
 40765 | D:14     | 40765 ||| SWAPPING to +9 broad axe "Kosum" {antimagic,
                  | rC+}.
 40766 | D:14     | 40766 ||| SWAPPING to +6 heavy broad axe.
 40767 | D:14     | 40767 ||| SWAPPING to +9 broad axe "Kosum" {antimagic,
                  | rC+}.
 40768 | D:14     | 40768 ||| SWAPPING to +6 heavy broad axe.
 40769 | D:14     | 40769 ||| SWAPPING to +9 broad axe "Kosum" {antimagic,
                  | rC+}.
 40770 | D:14     | 40770 ||| SWAPPING to +6 heavy broad axe.
 40771 | D:14     | 40771 ||| SWAPPING to +9 broad axe "Kosum" {antimagic,
                  | rC+}.
 40772 | D:14     | 40772 ||| SWAPPING to +6 heavy broad axe.
 40773 | D:14     | 40773 ||| SWAPPING to +9 broad axe "Kosum" {antimagic,
                  | rC+}.
 40774 | D:14     | 40774 ||| SWAPPING to +6 heavy broad axe.
 40775 | D:14     | 40775 ||| SWAPPING to +9 broad axe "Kosum" {antimagic,
                  | rC+}.
 40776 | D:14     | 40776 ||| SWAPPING to +6 heavy broad axe.
 40777 | D:14     | 40777 ||| SWAPPING to +9 broad axe "Kosum" {antimagic,
                  | rC+}.
 40778 | D:14     | 40778 ||| SWAPPING to +6 heavy broad axe.
 40779 | D:14     | 40779 ||| SWAPPING to +9 broad axe "Kosum" {antimagic,
                  | rC+}.
 40780 | D:14     | 40780 ||| SWAPPING to +6 heavy broad axe.
 40781 | D:14     | 40781 ||| SWAPPING to +9 broad axe "Kosum" {antimagic,
                  | rC+}.
 40782 | D:14     | 40782 ||| SWAPPING to +6 heavy broad axe.
 40783 | D:14     | 40783 ||| SWAPPING to +9 broad axe "Kosum" {antimagic,
                  | rC+}.
 40784 | D:14     | 40784 ||| SWAPPING to +6 heavy broad axe.
 40785 | D:14     | 40785 ||| SWAPPING to +9 broad axe "Kosum" {antimagic,
                  | rC+}.
 40786 | D:14     | 40786 ||| SWAPPING to +6 heavy broad axe.
 40787 | D:14     | 40787 ||| SWAPPING to +9 broad axe "Kosum" {antimagic,
                  | rC+}.
 40788 | D:14     | 40788 ||| SWAPPING to +6 heavy broad axe.
 40789 | D:14     | 40789 ||| SWAPPING to +9 broad axe "Kosum" {antimagic,
                  | rC+}.
 40790 | D:14     | 40790 ||| SWAPPING to +6 heavy broad axe.
 40791 | D:14     | 40791 ||| SWAPPING to +9 broad axe "Kosum" {antimagic,
                  | rC+}.
 40792 | D:14     | 40792 ||| SWAPPING to +6 heavy broad axe.
 40793 | D:14     | 40793 ||| SWAPPING to +9 broad axe "Kosum" {antimagic,
                  | rC+}.
 40794 | D:14     | 40794 ||| SWAPPING to +6 heavy broad axe.
 40795 | D:14     | 40795 ||| SWAPPING to +9 broad axe "Kosum" {antimagic,
                  | rC+}.
 40796 | D:14     | 40796 ||| SWAPPING to +6 heavy broad axe.
 40797 | D:14     | 40797 ||| SWAPPING to +9 broad axe "Kosum" {antimagic,
                  | rC+}.
 40798 | D:14     | 40798 ||| SWAPPING to +6 heavy broad axe.
 40799 | D:14     | 40799 ||| SWAPPING to +9 broad axe "Kosum" {antimagic,
                  | rC+}.
 40800 | D:14     | 40800 ||| SWAPPING to +6 heavy broad axe.
 40801 | D:14     | 40801 ||| SWAPPING to +9 broad axe "Kosum" {antimagic,
                  | rC+}.
 40802 | D:14     | 40802 ||| SWAPPING to +6 heavy broad axe.
 40803 | D:14     | 40803 ||| SWAPPING to +9 broad axe "Kosum" {antimagic,
                  | rC+}.
 40804 | D:14     | 40804 ||| SWAPPING to +6 heavy broad axe.
 40805 | D:14     | 40805 ||| SWAPPING to +9 broad axe "Kosum" {antimagic,
                  | rC+}.
 40806 | D:14     | 40806 ||| SWAPPING to +6 heavy broad axe.
 40807 | D:14     | 40807 ||| SWAPPING to +9 broad axe "Kosum" {antimagic,
                  | rC+}.
 40808 | D:14     | 40808 ||| SWAPPING to +6 heavy broad axe.
 40809 | D:14     | 40809 ||| SWAPPING to +9 broad axe "Kosum" {antimagic,
                  | rC+}.
 40810 | D:14     | 40810 ||| SWAPPING to +6 heavy broad axe.
 40811 | D:14     | 40811 ||| SWAPPING to +9 broad axe "Kosum" {antimagic,
                  | rC+}.
 40812 | D:14     | 40812 ||| SWAPPING to +6 heavy broad axe.
 40813 | D:14     | 40813 ||| SWAPPING to +9 broad axe "Kosum" {antimagic,
                  | rC+}.
 40814 | D:14     | 40814 ||| SWAPPING to +6 heavy broad axe.
 40815 | D:14     | 40815 ||| SWAPPING to +9 broad axe "Kosum" {antimagic,
                  | rC+}.
 40816 | D:14     | 40816 ||| SWAPPING to +6 heavy broad axe.
 40817 | D:14     | 40817 ||| SWAPPING to +9 broad axe "Kosum" {antimagic,
                  | rC+}.
 40818 | D:14     | 40818 ||| SWAPPING to +6 heavy broad axe.
 40819 | D:14     | 40819 ||| SWAPPING to +9 broad axe "Kosum" {antimagic,
                  | rC+}.
 40820 | D:14     | 40820 ||| SWAPPING to +6 heavy broad axe.
 40821 | D:14     | 40821 ||| SWAPPING to +9 broad axe "Kosum" {antimagic,
                  | rC+}.
 40822 | D:14     | 40822 ||| SWAPPING to +6 heavy broad axe.
 40823 | D:14     | 40823 ||| SWAPPING to +9 broad axe "Kosum" {antimagic,
                  | rC+}.
 40824 | D:14     | 40824 ||| SWAPPING to +6 heavy broad axe.
 40825 | D:14     | 40825 ||| SWAPPING to +9 broad axe "Kosum" {antimagic,
                  | rC+}.
 40826 | D:14     | 40826 ||| SWAPPING to +6 heavy broad axe.
 40827 | D:14     | 40827 ||| SWAPPING to +9 broad axe "Kosum" {antimagic,
                  | rC+}.
 40828 | D:14     | 40828 ||| SWAPPING to +6 heavy broad axe.
 40829 | D:14     | 40829 ||| SWAPPING to +9 broad axe "Kosum" {antimagic,
                  | rC+}.
 40830 | D:14     | 40830 ||| SWAPPING to +6 heavy broad axe.
 40831 | D:14     | 40831 ||| SWAPPING to +9 broad axe "Kosum" {antimagic,
                  | rC+}.
 40832 | D:14     | 40832 ||| SWAPPING to +6 heavy broad axe.
 40833 | D:14     | 40833 ||| SWAPPING to +9 broad axe "Kosum" {antimagic,
                  | rC+}.
 40834 | D:14     | 40834 ||| SWAPPING to +6 heavy broad axe.
 40835 | D:14     | 40835 ||| SWAPPING to +9 broad axe "Kosum" {antimagic,
                  | rC+}.
 40836 | D:14     | 40836 ||| SWAPPING to +6 heavy broad axe.
 40837 | D:14     | 40837 ||| SWAPPING to +9 broad axe "Kosum" {antimagic,
                  | rC+}.
 40838 | D:14     | 40838 ||| SWAPPING to +6 heavy broad axe.
 40839 | D:14     | 40839 ||| SWAPPING to +9 broad axe "Kosum" {antimagic,
                  | rC+}.
 40840 | D:14     | 40840 ||| SWAPPING to +6 heavy broad axe.
 40841 | D:14     | 40841 ||| SWAPPING to +9 broad axe "Kosum" {antimagic,
                  | rC+}.
 40842 | D:14     | 40842 ||| SWAPPING to +6 heavy broad axe.
 40843 | D:14     | 40843 ||| SWAPPING to +9 broad axe "Kosum" {antimagic,
                  | rC+}.
 40844 | D:14     | 40844 ||| SWAPPING to +6 heavy broad axe.
 40845 | D:14     | 40845 ||| SWAPPING to +9 broad axe "Kosum" {antimagic,
                  | rC+}.
 40846 | D:14     | 40846 ||| SWAPPING to +6 heavy broad axe.
 40847 | D:14     | 40847 ||| SWAPPING to +9 broad axe "Kosum" {antimagic,
                  | rC+}.
 40848 | D:14     | 40848 ||| SWAPPING to +6 heavy broad axe.
 40849 | D:14     | 40849 ||| SWAPPING to +9 broad axe "Kosum" {antimagic,
                  | rC+}.
 40850 | D:14     | 40850 ||| SWAPPING to +6 heavy broad axe.
 40851 | D:14     | 40851 ||| SWAPPING to +9 broad axe "Kosum" {antimagic,
                  | rC+}.
 40852 | D:14     | 40852 ||| SWAPPING to +6 heavy broad axe.
 40853 | D:14     | 40853 ||| SWAPPING to +9 broad axe "Kosum" {antimagic,
                  | rC+}.
 40854 | D:14     | 40854 ||| SWAPPING to +6 heavy broad axe.
 40855 | D:14     | 40855 ||| SWAPPING to +9 broad axe "Kosum" {antimagic,
                  | rC+}.
 40856 | D:14     | 40856 ||| SWAPPING to +6 heavy broad axe.
 40857 | D:14     | 40857 ||| SWAPPING to +9 broad axe "Kosum" {antimagic,
                  | rC+}.
 40858 | D:14     | 40858 ||| SWAPPING to +6 heavy broad axe.
 40859 | D:14     | 40859 ||| SWAPPING to +9 broad axe "Kosum" {antimagic,
                  | rC+}.
 40860 | D:14     | 40860 ||| SWAPPING to +6 heavy broad axe.
 40861 | D:14     | 40861 ||| SWAPPING to +9 broad axe "Kosum" {antimagic,
                  | rC+}.
 40862 | D:14     | 40862 ||| SWAPPING to +6 heavy broad axe.
 40863 | D:14     | 40863 ||| SWAPPING to +9 broad axe "Kosum" {antimagic,
                  | rC+}.
 40864 | D:14     | 40864 ||| SWAPPING to +6 heavy broad axe.
 40865 | D:14     | 40865 ||| SWAPPING to +9 broad axe "Kosum" {antimagic,
                  | rC+}.
 40866 | D:14     | 40866 ||| SWAPPING to +6 heavy broad axe.
 40867 | D:14     | 40867 ||| SWAPPING to +9 broad axe "Kosum" {antimagic,
                  | rC+}.
 40868 | D:14     | 40868 ||| SWAPPING to +6 heavy broad axe.
 40869 | D:14     | 40869 ||| SWAPPING to +9 broad axe "Kosum" {antimagic,
                  | rC+}.
 40870 | D:14     | 40870 ||| SWAPPING to +6 heavy broad axe.
 40871 | D:14     | 40871 ||| SWAPPING to +9 broad axe "Kosum" {antimagic,
                  | rC+}.
 40872 | D:14     | 40872 ||| SWAPPING to +6 heavy broad axe.
 40873 | D:14     | 40873 ||| SWAPPING to +9 broad axe "Kosum" {antimagic,
                  | rC+}.
 40874 | D:14     | 40874 ||| SWAPPING to +6 heavy broad axe.
 40875 | D:14     | 40875 ||| SWAPPING to +9 broad axe "Kosum" {antimagic,
                  | rC+}.
 40876 | D:14     | 40876 ||| SWAPPING to +6 heavy broad axe.
 40877 | D:14     | 40877 ||| SWAPPING to +9 broad axe "Kosum" {antimagic,
                  | rC+}.
 40878 | D:14     | 40878 ||| SWAPPING to +6 heavy broad axe.
 40879 | D:14     | 40879 ||| SWAPPING to +9 broad axe "Kosum" {antimagic,
                  | rC+}.
 40880 | D:14     | 40880 ||| SWAPPING to +6 heavy broad axe.
 40881 | D:14     | 40881 ||| SWAPPING to +9 broad axe "Kosum" {antimagic,
                  | rC+}.
 40882 | D:14     | 40882 ||| SWAPPING to +6 heavy broad axe.
 40883 | D:14     | 40883 ||| SWAPPING to +9 broad axe "Kosum" {antimagic,
                  | rC+}.
 40884 | D:14     | 40884 ||| SWAPPING to +6 heavy broad axe.
 40885 | D:14     | 40885 ||| SWAPPING to +9 broad axe "Kosum" {antimagic,
                  | rC+}.
 40886 | D:14     | 40886 ||| SWAPPING to +6 heavy broad axe.
 40887 | D:14     | 40887 ||| SWAPPING to +9 broad axe "Kosum" {antimagic,
                  | rC+}.
 40888 | D:14     | 40888 ||| SWAPPING to +6 heavy broad axe.
 40889 | D:14     | 40889 ||| SWAPPING to +9 broad axe "Kosum" {antimagic,
                  | rC+}.
 40890 | D:14     | 40890 ||| SWAPPING to +6 heavy broad axe.
 40891 | D:14     | 40891 ||| SWAPPING to +9 broad axe "Kosum" {antimagic,
                  | rC+}.
 40892 | D:14     | 40892 ||| SWAPPING to +6 heavy broad axe.
 40893 | D:14     | 40893 ||| SWAPPING to +9 broad axe "Kosum" {antimagic,
                  | rC+}.
 40894 | D:14     | 40894 ||| SWAPPING to +6 heavy broad axe.
 40895 | D:14     | 40895 ||| SWAPPING to +9 broad axe "Kosum" {antimagic,
                  | rC+}.
 40896 | D:14     | 40896 ||| SWAPPING to +6 heavy broad axe.
 40897 | D:14     | 40897 ||| SWAPPING to +9 broad axe "Kosum" {antimagic,
                  | rC+}.
 40898 | D:14     | 40898 ||| SWAPPING to +6 heavy broad axe.
 40899 | D:14     | 40899 ||| SWAPPING to +9 broad axe "Kosum" {antimagic,
                  | rC+}.
 40900 | D:14     | 40900 ||| SWAPPING to +6 heavy broad axe.
 40901 | D:14     | 40901 ||| SWAPPING to +9 broad axe "Kosum" {antimagic,
                  | rC+}.
 40902 | D:14     | 40902 ||| SWAPPING to +6 heavy broad axe.
 40903 | D:14     | 40903 ||| SWAPPING to +9 broad axe "Kosum" {antimagic,
                  | rC+}.
 40904 | D:14     | 40904 ||| SWAPPING to +6 heavy broad axe.
 40905 | D:14     | 40905 ||| SWAPPING to +9 broad axe "Kosum" {antimagic,
                  | rC+}.
 40906 | D:14     | 40906 ||| SWAPPING to +6 heavy broad axe.
 40907 | D:14     | 40907 ||| SWAPPING to +9 broad axe "Kosum" {antimagic,
                  | rC+}.
 40908 | D:14     | 40908 ||| SWAPPING to +6 heavy broad axe.
 40909 | D:14     | 40909 ||| SWAPPING to +9 broad axe "Kosum" {antimagic,
                  | rC+}.
 40910 | D:14     | 40910 ||| SWAPPING to +6 heavy broad axe.
 40911 | D:14     | 40911 ||| SWAPPING to +9 broad axe "Kosum" {antimagic,
                  | rC+}.
 40912 | D:14     | 40912 ||| SWAPPING to +6 heavy broad axe.
 40913 | D:14     | 40913 ||| SWAPPING to +9 broad axe "Kosum" {antimagic,
                  | rC+}.
 40914 | D:14     | 40914 ||| SWAPPING to +6 heavy broad axe.
 40915 | D:14     | 40915 ||| SWAPPING to +9 broad axe "Kosum" {antimagic,
                  | rC+}.
 40916 | D:14     | 40916 ||| SWAPPING to +6 heavy broad axe.
 40917 | D:14     | 40917 ||| SWAPPING to +9 broad axe "Kosum" {antimagic,
                  | rC+}.
 40918 | D:14     | 40918 ||| SWAPPING to +6 heavy broad axe.
 40919 | D:14     | 40919 ||| SWAPPING to +9 broad axe "Kosum" {antimagic,
                  | rC+}.
 40920 | D:14     | 40920 ||| SWAPPING to +6 heavy broad axe.
 40921 | D:14     | 40921 ||| SWAPPING to +9 broad axe "Kosum" {antimagic,
                  | rC+}.
 40922 | D:14     | 40922 ||| SWAPPING to +6 heavy broad axe.
 40923 | D:14     | 40923 ||| SWAPPING to +9 broad axe "Kosum" {antimagic,
                  | rC+}.
 40924 | D:14     | 40924 ||| SWAPPING to +6 heavy broad axe.
 40925 | D:14     | 40925 ||| SWAPPING to +9 broad axe "Kosum" {antimagic,
                  | rC+}.
 40926 | D:14     | 40926 ||| SWAPPING to +6 heavy broad axe.
 40927 | D:14     | 40927 ||| SWAPPING to +9 broad axe "Kosum" {antimagic,
                  | rC+}.
 40928 | D:14     | 40928 ||| SWAPPING to +6 heavy broad axe.
 40929 | D:14     | 40929 ||| SWAPPING to +9 broad axe "Kosum" {antimagic,
                  | rC+}.
 40930 | D:14     | 40930 ||| SWAPPING to +6 heavy broad axe.
 40931 | D:14     | 40931 ||| SWAPPING to +9 broad axe "Kosum" {antimagic,
                  | rC+}.
 40932 | D:14     | 40932 ||| SWAPPING to +6 heavy broad axe.
 40933 | D:14     | 40933 ||| SWAPPING to +9 broad axe "Kosum" {antimagic,
                  | rC+}.
 40934 | D:14     | 40934 ||| SWAPPING to +6 heavy broad axe.
 40935 | D:14     | 40935 ||| SWAPPING to +9 broad axe "Kosum" {antimagic,
                  | rC+}.
 40936 | D:14     | 40936 ||| SWAPPING to +6 heavy broad axe.
 40937 | D:14     | 40937 ||| SWAPPING to +9 broad axe "Kosum" {antimagic,
                  | rC+}.
 40938 | D:14     | 40938 ||| SWAPPING to +6 heavy broad axe.
 40939 | D:14     | 40939 ||| SWAPPING to +9 broad axe "Kosum" {antimagic,
                  | rC+}.
 40940 | D:14     | 40940 ||| SWAPPING to +6 heavy broad axe.
 40941 | D:14     | 40941 ||| SWAPPING to +9 broad axe "Kosum" {antimagic,
                  | rC+}.
 40942 | D:14     | 40942 ||| SWAPPING to +6 heavy broad axe.
 40943 | D:14     | 40943 ||| SWAPPING to +9 broad axe "Kosum" {antimagic,
                  | rC+}.
 40944 | D:14     | 40944 ||| SWAPPING to +6 heavy broad axe.
 40945 | D:14     | 40945 ||| SWAPPING to +9 broad axe "Kosum" {antimagic,
                  | rC+}.
 40946 | D:14     | 40946 ||| SWAPPING to +6 heavy broad axe.
 40947 | D:14     | 40947 ||| SWAPPING to +9 broad axe "Kosum" {antimagic,
                  | rC+}.
 40948 | D:14     | 40948 ||| SWAPPING to +6 heavy broad axe.
 40949 | D:14     | 40949 ||| SWAPPING to +9 broad axe "Kosum" {antimagic,
                  | rC+}.
 40950 | D:14     | 40950 ||| SWAPPING to +6 heavy broad axe.
 40951 | D:14     | 40951 ||| SWAPPING to +9 broad axe "Kosum" {antimagic,
                  | rC+}.
 40952 | D:14     | 40952 ||| SWAPPING to +6 heavy broad axe.
 40953 | D:14     | 40953 ||| SWAPPING to +9 broad axe "Kosum" {antimagic,
                  | rC+}.
 40954 | D:14     | 40954 ||| SWAPPING to +6 heavy broad axe.
 40955 | D:14     | 40955 ||| SWAPPING to +9 broad axe "Kosum" {antimagic,
                  | rC+}.
 40956 | D:14     | 40956 ||| SWAPPING to +6 heavy broad axe.
 40957 | D:14     | 40957 ||| SWAPPING to +9 broad axe "Kosum" {antimagic,
                  | rC+}.
 40958 | D:14     | 40958 ||| SWAPPING to +6 heavy broad axe.
 40959 | D:14     | 40959 ||| SWAPPING to +9 broad axe "Kosum" {antimagic,
                  | rC+}.
 40960 | D:14     | 40960 ||| SWAPPING to +6 heavy broad axe.
 40961 | D:14     | 40961 ||| SWAPPING to +9 broad axe "Kosum" {antimagic,
                  | rC+}.
 40962 | D:14     | 40962 ||| SWAPPING to +6 heavy broad axe.
 40963 | D:14     | 40963 ||| SWAPPING to +9 broad axe "Kosum" {antimagic,
                  | rC+}.
 40964 | D:14     | 40964 ||| SWAPPING to +6 heavy broad axe.
 40965 | D:14     | 40965 ||| SWAPPING to +9 broad axe "Kosum" {antimagic,
                  | rC+}.
 40966 | D:14     | 40966 ||| SWAPPING to +6 heavy broad axe.
 40967 | D:14     | 40967 ||| SWAPPING to +9 broad axe "Kosum" {antimagic,
                  | rC+}.
 40968 | D:14     | 40968 ||| SWAPPING to +6 heavy broad axe.
 40969 | D:14     | 40969 ||| SWAPPING to +9 broad axe "Kosum" {antimagic,
                  | rC+}.
 40970 | D:14     | 40970 ||| SWAPPING to +6 heavy broad axe.
 40971 | D:14     | 40971 ||| SWAPPING to +9 broad axe "Kosum" {antimagic,
                  | rC+}.
 40972 | D:14     | 40972 ||| SWAPPING to +6 heavy broad axe.
 40973 | D:14     | 40973 ||| SWAPPING to +9 broad axe "Kosum" {antimagic,
                  | rC+}.
 40974 | D:14     | 40974 ||| SWAPPING to +6 heavy broad axe.
 40975 | D:14     | 40975 ||| SWAPPING to +9 broad axe "Kosum" {antimagic,
                  | rC+}.
 40976 | D:14     | 40976 ||| SWAPPING to +6 heavy broad axe.
 40977 | D:14     | 40977 ||| SWAPPING to +9 broad axe "Kosum" {antimagic,
                  | rC+}.
 40978 | D:14     | 40978 ||| SWAPPING to +6 heavy broad axe.
 40979 | D:14     | 40979 ||| SWAPPING to +9 broad axe "Kosum" {antimagic,
                  | rC+}.
 40980 | D:14     | 40980 ||| SWAPPING to +6 heavy broad axe.
 40981 | D:14     | 40981 ||| SWAPPING to +9 broad axe "Kosum" {antimagic,
                  | rC+}.
 40982 | D:14     | 40982 ||| SWAPPING to +6 heavy broad axe.
 40983 | D:14     | 40983 ||| SWAPPING to +9 broad axe "Kosum" {antimagic,
                  | rC+}.
 40984 | D:14     | 40984 ||| SWAPPING to +6 heavy broad axe.
 40985 | D:14     | 40985 ||| SWAPPING to +9 broad axe "Kosum" {antimagic,
                  | rC+}.
 40986 | D:14     | 40986 ||| SWAPPING to +6 heavy broad axe.
 40987 | D:14     | 40987 ||| SWAPPING to +9 broad axe "Kosum" {antimagic,
                  | rC+}.
 40988 | D:14     | 40988 ||| SWAPPING to +6 heavy broad axe.
 40989 | D:14     | 40989 ||| SWAPPING to +9 broad axe "Kosum" {antimagic,
                  | rC+}.
 40990 | D:14     | 40990 ||| SWAPPING to +6 heavy broad axe.
 40991 | D:14     | 40991 ||| SWAPPING to +9 broad axe "Kosum" {antimagic,
                  | rC+}.
 40992 | D:14     | 40992 ||| SWAPPING to +6 heavy broad axe.
 40993 | D:14     | 40993 ||| SWAPPING to +9 broad axe "Kosum" {antimagic,
                  | rC+}.
 40994 | D:14     | 40994 ||| SWAPPING to +6 heavy broad axe.
 40995 | D:14     | 40995 ||| SWAPPING to +9 broad axe "Kosum" {antimagic,
                  | rC+}.
 40996 | D:14     | 40996 ||| SWAPPING to +6 heavy broad axe.
 40997 | D:14     | 40997 ||| SWAPPING to +9 broad axe "Kosum" {antimagic,
                  | rC+}.
 40998 | D:14     | 40998 ||| SWAPPING to +6 heavy broad axe.
 40999 | D:14     | 40999 ||| SWAPPING to +9 broad axe "Kosum" {antimagic,
                  | rC+}.
 41000 | D:14     | 41000 ||| SWAPPING to +6 heavy broad axe.
 41001 | D:14     | 41001 ||| SWAPPING to +9 broad axe "Kosum" {antimagic,
                  | rC+}.
 41002 | D:14     | 41002 ||| SWAPPING to +6 heavy broad axe.
 41003 | D:14     | 41003 ||| SWAPPING to +9 broad axe "Kosum" {antimagic,
                  | rC+}.
 41004 | D:14     | 41004 ||| SWAPPING to +6 heavy broad axe.
 41005 | D:14     | 41005 ||| SWAPPING to +9 broad axe "Kosum" {antimagic,
                  | rC+}.
 41006 | D:14     | 41006 ||| SWAPPING to +6 heavy broad axe.
 41007 | D:14     | 41007 ||| SWAPPING to +9 broad axe "Kosum" {antimagic,
                  | rC+}.
 41008 | D:14     | 41008 ||| SWAPPING to +6 heavy broad axe.
 41009 | D:14     | 41009 ||| SWAPPING to +9 broad axe "Kosum" {antimagic,
                  | rC+}.
 41010 | D:14     | 41010 ||| SWAPPING to +6 heavy broad axe.
 41011 | D:14     | 41011 ||| SWAPPING to +9 broad axe "Kosum" {antimagic,
                  | rC+}.
 41012 | D:14     | 41012 ||| SWAPPING to +6 heavy broad axe.
 41013 | D:14     | 41013 ||| SWAPPING to +9 broad axe "Kosum" {antimagic,
                  | rC+}.
 41014 | D:14     | 41014 ||| SWAPPING to +6 heavy broad axe.
 41015 | D:14     | 41015 ||| SWAPPING to +9 broad axe "Kosum" {antimagic,
                  | rC+}.
 41016 | D:14     | 41016 ||| SWAPPING to +6 heavy broad axe.
 41017 | D:14     | 41017 ||| SWAPPING to +9 broad axe "Kosum" {antimagic,
                  | rC+}.
 41018 | D:14     | 41018 ||| SWAPPING to +6 heavy broad axe.
 41019 | D:14     | 41019 ||| SWAPPING to +9 broad axe "Kosum" {antimagic,
                  | rC+}.
 41020 | D:14     | 41020 ||| SWAPPING to +6 heavy broad axe.
 41021 | D:14     | 41021 ||| SWAPPING to +9 broad axe "Kosum" {antimagic,
                  | rC+}.
 41022 | D:14     | 41022 ||| SWAPPING to +6 heavy broad axe.
 41023 | D:14     | 41023 ||| SWAPPING to +9 broad axe "Kosum" {antimagic,
                  | rC+}.
 41024 | D:14     | 41024 ||| SWAPPING to +6 heavy broad axe.
 41025 | D:14     | 41025 ||| SWAPPING to +9 broad axe "Kosum" {antimagic,
                  | rC+}.
 41026 | D:14     | 41026 ||| SWAPPING to +6 heavy broad axe.
 41027 | D:14     | 41027 ||| SWAPPING to +9 broad axe "Kosum" {antimagic,
                  | rC+}.
 41028 | D:14     | 41028 ||| SWAPPING to +6 heavy broad axe.
 41029 | D:14     | 41029 ||| SWAPPING to +9 broad axe "Kosum" {antimagic,
                  | rC+}.
 41030 | D:14     | 41030 ||| SWAPPING to +6 heavy broad axe.
 41031 | D:14     | 41031 ||| SWAPPING to +9 broad axe "Kosum" {antimagic,
                  | rC+}.
 41032 | D:14     | 41032 ||| SWAPPING to +6 heavy broad axe.
 41033 | D:14     | 41033 ||| SWAPPING to +9 broad axe "Kosum" {antimagic,
                  | rC+}.
 41034 | D:14     | 41034 ||| SWAPPING to +6 heavy broad axe.
 41035 | D:14     | 41035 ||| SWAPPING to +9 broad axe "Kosum" {antimagic,
                  | rC+}.
 41036 | D:14     | 41036 ||| SWAPPING to +6 heavy broad axe.
 41037 | D:14     | 41037 ||| SWAPPING to +9 broad axe "Kosum" {antimagic,
                  | rC+}.
 41038 | D:14     | 41038 ||| SWAPPING to +6 heavy broad axe.
 41039 | D:14     | 41039 ||| SWAPPING to +9 broad axe "Kosum" {antimagic,
                  | rC+}.
 41040 | D:14     | 41040 ||| SWAPPING to +6 heavy broad axe.
 41041 | D:14     | 41041 ||| SWAPPING to +9 broad axe "Kosum" {antimagic,
                  | rC+}.
 41042 | D:14     | 41042 ||| SWAPPING to +6 heavy broad axe.
 41043 | D:14     | 41043 ||| SWAPPING to +9 broad axe "Kosum" {antimagic,
                  | rC+}.
 41044 | D:14     | 41044 ||| SWAPPING to +6 heavy broad axe.
 41045 | D:14     | 41045 ||| SWAPPING to +9 broad axe "Kosum" {antimagic,
                  | rC+}.
 41046 | D:14     | 41046 ||| SWAPPING to +6 heavy broad axe.
 41047 | D:14     | 41047 ||| SWAPPING to +9 broad axe "Kosum" {antimagic,
                  | rC+}.
 41048 | D:14     | 41048 ||| SWAPPING to +6 heavy broad axe.
 41049 | D:14     | 41049 ||| SWAPPING to +9 broad axe "Kosum" {antimagic,
                  | rC+}.
 41050 | D:14     | 41050 ||| SWAPPING to +6 heavy broad axe.
 41051 | D:14     | 41051 ||| SWAPPING to +9 broad axe "Kosum" {antimagic,
                  | rC+}.
 41052 | D:14     | 41052 ||| SWAPPING to +6 heavy broad axe.
 41053 | D:14     | 41053 ||| SWAPPING to +9 broad axe "Kosum" {antimagic,
                  | rC+}.
 41054 | D:14     | 41054 ||| SWAPPING to +6 heavy broad axe.
 41055 | D:14     | 41055 ||| SWAPPING to +9 broad axe "Kosum" {antimagic,
                  | rC+}.
 41056 | D:14     | 41056 ||| SWAPPING to +6 heavy broad axe.
 41057 | D:14     | 41057 ||| SWAPPING to +9 broad axe "Kosum" {antimagic,
                  | rC+}.
 41058 | D:14     | 41058 ||| SWAPPING to +6 heavy broad axe.
 41059 | D:14     | 41059 ||| SWAPPING to +9 broad axe "Kosum" {antimagic,
                  | rC+}.
 41060 | D:14     | 41060 ||| SWAPPING to +6 heavy broad axe.
 41061 | D:14     | 41061 ||| SWAPPING to +9 broad axe "Kosum" {antimagic,
                  | rC+}.
 41062 | D:14     | 41062 ||| SWAPPING to +6 heavy broad axe.
 41063 | D:14     | 41063 ||| SWAPPING to +9 broad axe "Kosum" {antimagic,
                  | rC+}.
 41064 | D:14     | 41064 ||| SWAPPING to +6 heavy broad axe.
 41065 | D:14     | 41065 ||| SWAPPING to +9 broad axe "Kosum" {antimagic,
                  | rC+}.
 41066 | D:14     | 41066 ||| SWAPPING to +6 heavy broad axe.
 41067 | D:14     | 41067 ||| SWAPPING to +9 broad axe "Kosum" {antimagic,
                  | rC+}.
 41068 | D:14     | 41068 ||| SWAPPING to +6 heavy broad axe.
 41069 | D:14     | 41069 ||| SWAPPING to +9 broad axe "Kosum" {antimagic,
                  | rC+}.
 41070 | D:14     | 41070 ||| SWAPPING to +6 heavy broad axe.
 41071 | D:14     | 41071 ||| SWAPPING to +9 broad axe "Kosum" {antimagic,
                  | rC+}.
 41072 | D:14     | 41072 ||| SWAPPING to +6 heavy broad axe.
 41073 | D:14     | 41073 ||| SWAPPING to +9 broad axe "Kosum" {antimagic,
                  | rC+}.
 41074 | D:14     | 41074 ||| SWAPPING to +6 heavy broad axe.
 41075 | D:14     | 41075 ||| SWAPPING to +9 broad axe "Kosum" {antimagic,
                  | rC+}.
 41076 | D:14     | 41076 ||| SWAPPING to +6 heavy broad axe.
 41077 | D:14     | 41077 ||| SWAPPING to +9 broad axe "Kosum" {antimagic,
                  | rC+}.
 41078 | D:14     | 41078 ||| SWAPPING to +6 heavy broad axe.
 41079 | D:14     | 41079 ||| SWAPPING to +9 broad axe "Kosum" {antimagic,
                  | rC+}.
 41080 | D:14     | 41080 ||| SWAPPING to +6 heavy broad axe.
 41081 | D:14     | 41081 ||| SWAPPING to +9 broad axe "Kosum" {antimagic,
                  | rC+}.
 41082 | D:14     | 41082 ||| SWAPPING to +6 heavy broad axe.
 41083 | D:14     | 41083 ||| SWAPPING to +9 broad axe "Kosum" {antimagic,
                  | rC+}.
 41084 | D:14     | 41084 ||| SWAPPING to +6 heavy broad axe.
 41085 | D:14     | 41085 ||| SWAPPING to +9 broad axe "Kosum" {antimagic,
                  | rC+}.
 41086 | D:14     | 41086 ||| SWAPPING to +6 heavy broad axe.
 41087 | D:14     | 41087 ||| SWAPPING to +9 broad axe "Kosum" {antimagic,
                  | rC+}.
 41088 | D:14     | 41088 ||| SWAPPING to +6 heavy broad axe.
 41089 | D:14     | 41089 ||| SWAPPING to +9 broad axe "Kosum" {antimagic,
                  | rC+}.
 41090 | D:14     | 41090 ||| SWAPPING to +6 heavy broad axe.
 41091 | D:14     | 41091 ||| SWAPPING to +9 broad axe "Kosum" {antimagic,
                  | rC+}.
 41092 | D:14     | 41092 ||| SWAPPING to +6 heavy broad axe.
 41093 | D:14     | 41093 ||| SWAPPING to +9 broad axe "Kosum" {antimagic,
                  | rC+}.
 41094 | D:14     | 41094 ||| SWAPPING to +6 heavy broad axe.
 41095 | D:14     | 41095 ||| SWAPPING to +9 broad axe "Kosum" {antimagic,
                  | rC+}.
 41096 | D:14     | 41096 ||| SWAPPING to +6 heavy broad axe.
 41097 | D:14     | 41097 ||| SWAPPING to +9 broad axe "Kosum" {antimagic,
                  | rC+}.
 41098 | D:14     | 41098 ||| SWAPPING to +6 heavy broad axe.
 41099 | D:14     | 41099 ||| SWAPPING to +9 broad axe "Kosum" {antimagic,
                  | rC+}.
 41100 | D:14     | 41100 ||| SWAPPING to +6 heavy broad axe.
 41101 | D:14     | 41101 ||| SWAPPING to +9 broad axe "Kosum" {antimagic,
                  | rC+}.
 41102 | D:14     | 41102 ||| SWAPPING to +6 heavy broad axe.
 41103 | D:14     | 41103 ||| SWAPPING to +9 broad axe "Kosum" {antimagic,
                  | rC+}.
 41104 | D:14     | 41104 ||| SWAPPING to +6 heavy broad axe.
 41105 | D:14     | 41105 ||| SWAPPING to +9 broad axe "Kosum" {antimagic,
                  | rC+}.
 41106 | D:14     | 41106 ||| SWAPPING to +6 heavy broad axe.
 41107 | D:14     | 41107 ||| SWAPPING to +9 broad axe "Kosum" {antimagic,
                  | rC+}.
 41108 | D:14     | 41108 ||| SWAPPING to +6 heavy broad axe.
 41109 | D:14     | 41109 ||| SWAPPING to +9 broad axe "Kosum" {antimagic,
                  | rC+}.
 41110 | D:14     | 41110 ||| SWAPPING to +6 heavy broad axe.
 41111 | D:14     | 41111 ||| SWAPPING to +9 broad axe "Kosum" {antimagic,
                  | rC+}.
 41112 | D:14     | 41112 ||| SWAPPING to +6 heavy broad axe.
 41113 | D:14     | 41113 ||| SWAPPING to +9 broad axe "Kosum" {antimagic,
                  | rC+}.
 41114 | D:14     | 41114 ||| SWAPPING to +6 heavy broad axe.
 41115 | D:14     | 41115 ||| SWAPPING to +9 broad axe "Kosum" {antimagic,
                  | rC+}.
 41116 | D:14     | 41116 ||| SWAPPING to +6 heavy broad axe.
 41117 | D:14     | 41117 ||| SWAPPING to +9 broad axe "Kosum" {antimagic,
                  | rC+}.
 41118 | D:14     | 41118 ||| SWAPPING to +6 heavy broad axe.
 41119 | D:14     | 41119 ||| SWAPPING to +9 broad axe "Kosum" {antimagic,
                  | rC+}.
 41120 | D:14     | 41120 ||| SWAPPING to +6 heavy broad axe.
 41121 | D:14     | 41121 ||| SWAPPING to +9 broad axe "Kosum" {antimagic,
                  | rC+}.
 41122 | D:14     | 41122 ||| SWAPPING to +6 heavy broad axe.
 41123 | D:14     | 41123 ||| SWAPPING to +9 broad axe "Kosum" {antimagic,
                  | rC+}.
 41124 | D:14     | 41124 ||| SWAPPING to +6 heavy broad axe.
 41125 | D:14     | 41125 ||| SWAPPING to +9 broad axe "Kosum" {antimagic,
                  | rC+}.
 41126 | D:14     | 41126 ||| SWAPPING to +6 heavy broad axe.
 41127 | D:14     | 41127 ||| SWAPPING to +9 broad axe "Kosum" {antimagic,
                  | rC+}.
 41128 | D:14     | 41128 ||| SWAPPING to +6 heavy broad axe.
 41129 | D:14     | 41129 ||| SWAPPING to +9 broad axe "Kosum" {antimagic,
                  | rC+}.
 41130 | D:14     | 41130 ||| SWAPPING to +6 heavy broad axe.
 41131 | D:14     | 41131 ||| SWAPPING to +9 broad axe "Kosum" {antimagic,
                  | rC+}.
 41132 | D:14     | 41132 ||| SWAPPING to +6 heavy broad axe.
 41133 | D:14     | 41133 ||| SWAPPING to +9 broad axe "Kosum" {antimagic,
                  | rC+}.
 41134 | D:14     | 41134 ||| SWAPPING to +6 heavy broad axe.
 41135 | D:14     | 41135 ||| SWAPPING to +9 broad axe "Kosum" {antimagic,
                  | rC+}.
 41136 | D:14     | 41136 ||| SWAPPING to +6 heavy broad axe.
 41137 | D:14     | 41137 ||| SWAPPING to +9 broad axe "Kosum" {antimagic,
                  | rC+}.
 41138 | D:14     | 41138 ||| SWAPPING to +6 heavy broad axe.
 41139 | D:14     | 41139 ||| SWAPPING to +9 broad axe "Kosum" {antimagic,
                  | rC+}.
 41140 | D:14     | 41140 ||| SWAPPING to +6 heavy broad axe.
 41141 | D:14     | 41141 ||| SWAPPING to +9 broad axe "Kosum" {antimagic,
                  | rC+}.
 41142 | D:14     | 41142 ||| SWAPPING to +6 heavy broad axe.
 41143 | D:14     | 41143 ||| SWAPPING to +9 broad axe "Kosum" {antimagic,
                  | rC+}.
 41144 | D:14     | 41144 ||| SWAPPING to +6 heavy broad axe.
 41145 | D:14     | 41145 ||| SWAPPING to +9 broad axe "Kosum" {antimagic,
                  | rC+}.
 41146 | D:14     | 41146 ||| SWAPPING to +6 heavy broad axe.
 41147 | D:14     | 41147 ||| SWAPPING to +9 broad axe "Kosum" {antimagic,
                  | rC+}.
 41148 | D:14     | 41148 ||| SWAPPING to +6 heavy broad axe.
 41149 | D:14     | 41149 ||| SWAPPING to +9 broad axe "Kosum" {antimagic,
                  | rC+}.
 41150 | D:14     | 41150 ||| SWAPPING to +6 heavy broad axe.
 41151 | D:14     | 41151 ||| SWAPPING to +9 broad axe "Kosum" {antimagic,
                  | rC+}.
 41152 | D:14     | 41152 ||| SWAPPING to +6 heavy broad axe.
 41153 | D:14     | 41153 ||| SWAPPING to +9 broad axe "Kosum" {antimagic,
                  | rC+}.
 41154 | D:14     | 41154 ||| SWAPPING to +6 heavy broad axe.
 41155 | D:14     | 41155 ||| SWAPPING to +9 broad axe "Kosum" {antimagic,
                  | rC+}.
 41156 | D:14     | 41156 ||| SWAPPING to +6 heavy broad axe.
 41157 | D:14     | 41157 ||| SWAPPING to +9 broad axe "Kosum" {antimagic,
                  | rC+}.
 41158 | D:14     | 41158 ||| SWAPPING to +6 heavy broad axe.
 41159 | D:14     | 41159 ||| SWAPPING to +9 broad axe "Kosum" {antimagic,
                  | rC+}.
 41160 | D:14     | 41160 ||| SWAPPING to +6 heavy broad axe.
 41161 | D:14     | 41161 ||| SWAPPING to +9 broad axe "Kosum" {antimagic,
                  | rC+}.
 41162 | D:14     | 41162 ||| SWAPPING to +6 heavy broad axe.
 41163 | D:14     | 41163 ||| SWAPPING to +9 broad axe "Kosum" {antimagic,
                  | rC+}.
 41164 | D:14     | 41164 ||| SWAPPING to +6 heavy broad axe.
 41165 | D:14     | 41165 ||| SWAPPING to +9 broad axe "Kosum" {antimagic,
                  | rC+}.
 41166 | D:14     | 41166 ||| SWAPPING to +6 heavy broad axe.
 41167 | D:14     | 41167 ||| SWAPPING to +9 broad axe "Kosum" {antimagic,
                  | rC+}.
 41168 | D:14     | 41168 ||| SWAPPING to +6 heavy broad axe.
 41169 | D:14     | 41169 ||| SWAPPING to +9 broad axe "Kosum" {antimagic,
                  | rC+}.
 41170 | D:14     | 41170 ||| SWAPPING to +6 heavy broad axe.
 41171 | D:14     | 41171 ||| SWAPPING to +9 broad axe "Kosum" {antimagic,
                  | rC+}.
 41172 | D:14     | 41172 ||| SWAPPING to +6 heavy broad axe.
 41173 | D:14     | 41173 ||| SWAPPING to +9 broad axe "Kosum" {antimagic,
                  | rC+}.
 41174 | D:14     | 41174 ||| SWAPPING to +6 heavy broad axe.
 41175 | D:14     | 41175 ||| SWAPPING to +9 broad axe "Kosum" {antimagic,
                  | rC+}.
 41176 | D:14     | 41176 ||| SWAPPING to +6 heavy broad axe.
 41177 | D:14     | 41177 ||| SWAPPING to +9 broad axe "Kosum" {antimagic,
                  | rC+}.
 41178 | D:14     | 41178 ||| SWAPPING to +6 heavy broad axe.
 41179 | D:14     | 41179 ||| SWAPPING to +9 broad axe "Kosum" {antimagic,
                  | rC+}.
 41180 | D:14     | 41180 ||| SWAPPING to +6 heavy broad axe.
 41181 | D:14     | 41181 ||| SWAPPING to +9 broad axe "Kosum" {antimagic,
                  | rC+}.
 41182 | D:14     | 41182 ||| SWAPPING to +6 heavy broad axe.
 41183 | D:14     | 41183 ||| SWAPPING to +9 broad axe "Kosum" {antimagic,
                  | rC+}.
 41184 | D:14     | 41184 ||| SWAPPING to +6 heavy broad axe.
 41185 | D:14     | 41185 ||| SWAPPING to +9 broad axe "Kosum" {antimagic,
                  | rC+}.
 41186 | D:14     | 41186 ||| SWAPPING to +6 heavy broad axe.
 41187 | D:14     | 41187 ||| SWAPPING to +9 broad axe "Kosum" {antimagic,
                  | rC+}.
 41188 | D:14     | 41188 ||| SWAPPING to +6 heavy broad axe.
 41189 | D:14     | 41189 ||| SWAPPING to +9 broad axe "Kosum" {antimagic,
                  | rC+}.
 41190 | D:14     | 41190 ||| SWAPPING to +6 heavy broad axe.
 41191 | D:14     | 41191 ||| SWAPPING to +9 broad axe "Kosum" {antimagic,
                  | rC+}.
 41192 | D:14     | 41192 ||| SWAPPING to +6 heavy broad axe.
 41193 | D:14     | 41193 ||| SWAPPING to +9 broad axe "Kosum" {antimagic,
                  | rC+}.
 41194 | D:14     | 41194 ||| SWAPPING to +6 heavy broad axe.
 41195 | D:14     | 41195 ||| SWAPPING to +9 broad axe "Kosum" {antimagic,
                  | rC+}.
 41196 | D:14     | 41196 ||| SWAPPING to +6 heavy broad axe.
 41197 | D:14     | 41197 ||| SWAPPING to +9 broad axe "Kosum" {antimagic,
                  | rC+}.
 41198 | D:14     | 41198 ||| SWAPPING to +6 heavy broad axe.
 41199 | D:14     | 41199 ||| SWAPPING to +9 broad axe "Kosum" {antimagic,
                  | rC+}.
 41200 | D:14     | 41200 ||| SWAPPING to +6 heavy broad axe.
 41201 | D:14     | 41201 ||| SWAPPING to +9 broad axe "Kosum" {antimagic,
                  | rC+}.
 41202 | D:14     | 41202 ||| SWAPPING to +6 heavy broad axe.
 41203 | D:14     | 41203 ||| SWAPPING to +9 broad axe "Kosum" {antimagic,
                  | rC+}.
 41204 | D:14     | 41204 ||| SWAPPING to +6 heavy broad axe.
 41205 | D:14     | 41205 ||| SWAPPING to +9 broad axe "Kosum" {antimagic,
                  | rC+}.
 41206 | D:14     | 41206 ||| SWAPPING to +6 heavy broad axe.
 41207 | D:14     | 41207 ||| SWAPPING to +9 broad axe "Kosum" {antimagic,
                  | rC+}.
 41208 | D:14     | 41208 ||| SWAPPING to +6 heavy broad axe.
 41209 | D:14     | 41209 ||| SWAPPING to +9 broad axe "Kosum" {antimagic,
                  | rC+}.
 41210 | D:14     | 41210 ||| SWAPPING to +6 heavy broad axe.
 41211 | D:14     | 41211 ||| SWAPPING to +9 broad axe "Kosum" {antimagic,
                  | rC+}.
 41212 | D:14     | 41212 ||| SWAPPING to +6 heavy broad axe.
 41213 | D:14     | 41213 ||| SWAPPING to +9 broad axe "Kosum" {antimagic,
                  | rC+}.
 41214 | D:14     | 41214 ||| SWAPPING to +6 heavy broad axe.
 41215 | D:14     | 41215 ||| SWAPPING to +9 broad axe "Kosum" {antimagic,
                  | rC+}.
 41216 | D:14     | 41216 ||| SWAPPING to +6 heavy broad axe.
 41217 | D:14     | 41217 ||| SWAPPING to +9 broad axe "Kosum" {antimagic,
                  | rC+}.
 41218 | D:14     | 41218 ||| SWAPPING to +6 heavy broad axe.
 41219 | D:14     | 41219 ||| SWAPPING to +9 broad axe "Kosum" {antimagic,
                  | rC+}.
 41220 | D:14     | 41220 ||| SWAPPING to +6 heavy broad axe.
 41221 | D:14     | 41221 ||| SWAPPING to +9 broad axe "Kosum" {antimagic,
                  | rC+}.
 41222 | D:14     | 41222 ||| SWAPPING to +6 heavy broad axe.
 41223 | D:14     | 41223 ||| SWAPPING to +9 broad axe "Kosum" {antimagic,
                  | rC+}.
 41224 | D:14     | 41224 ||| SWAPPING to +6 heavy broad axe.
 41225 | D:14     | 41225 ||| SWAPPING to +9 broad axe "Kosum" {antimagic,
                  | rC+}.
 41226 | D:14     | 41226 ||| SWAPPING to +6 heavy broad axe.
 41227 | D:14     | 41227 ||| SWAPPING to +9 broad axe "Kosum" {antimagic,
                  | rC+}.
 41228 | D:14     | 41228 ||| SWAPPING to +6 heavy broad axe.
 41229 | D:14     | 41229 ||| SWAPPING to +9 broad axe "Kosum" {antimagic,
                  | rC+}.
 41230 | D:14     | 41230 ||| SWAPPING to +6 heavy broad axe.
 41231 | D:14     | 41231 ||| SWAPPING to +9 broad axe "Kosum" {antimagic,
                  | rC+}.
 41232 | D:14     | 41232 ||| SWAPPING to +6 heavy broad axe.
 41233 | D:14     | 41233 ||| SWAPPING to +9 broad axe "Kosum" {antimagic,
                  | rC+}.
 41234 | D:14     | 41234 ||| SWAPPING to +6 heavy broad axe.
 41235 | D:14     | 41235 ||| SWAPPING to +9 broad axe "Kosum" {antimagic,
                  | rC+}.
 41236 | D:14     | 41236 ||| SWAPPING to +6 heavy broad axe.
 41237 | D:14     | 41237 ||| SWAPPING to +9 broad axe "Kosum" {antimagic,
                  | rC+}.
 41238 | D:14     | 41238 ||| SWAPPING to +6 heavy broad axe.
 41239 | D:14     | 41239 ||| SWAPPING to +9 broad axe "Kosum" {antimagic,
                  | rC+}.
 41240 | D:14     | 41240 ||| SWAPPING to +6 heavy broad axe.
 41241 | D:14     | 41241 ||| SWAPPING to +9 broad axe "Kosum" {antimagic,
                  | rC+}.
 41242 | D:14     | 41242 ||| SWAPPING to +6 heavy broad axe.
 41243 | D:14     | 41243 ||| SWAPPING to +9 broad axe "Kosum" {antimagic,
                  | rC+}.
 41244 | D:14     | 41244 ||| SWAPPING to +6 heavy broad axe.
 41245 | D:14     | 41245 ||| SWAPPING to +9 broad axe "Kosum" {antimagic,
                  | rC+}.
 41246 | D:14     | 41246 ||| SWAPPING to +6 heavy broad axe.
 41247 | D:14     | 41247 ||| SWAPPING to +9 broad axe "Kosum" {antimagic,
                  | rC+}.
 41248 | D:14     | 41248 ||| SWAPPING to +6 heavy broad axe.
 41249 | D:14     | 41249 ||| SWAPPING to +9 broad axe "Kosum" {antimagic,
                  | rC+}.
 41250 | D:14     | 41250 ||| SWAPPING to +6 heavy broad axe.
 41251 | D:14     | 41251 ||| SWAPPING to +9 broad axe "Kosum" {antimagic,
                  | rC+}.
 41252 | D:14     | 41252 ||| SWAPPING to +6 heavy broad axe.
 41253 | D:14     | 41253 ||| SWAPPING to +9 broad axe "Kosum" {antimagic,
                  | rC+}.
 41254 | D:14     | 41254 ||| SWAPPING to +6 heavy broad axe.
 41255 | D:14     | 41255 ||| SWAPPING to +9 broad axe "Kosum" {antimagic,
                  | rC+}.
 41256 | D:14     | 41256 ||| SWAPPING to +6 heavy broad axe.
 41257 | D:14     | 41257 ||| SWAPPING to +9 broad axe "Kosum" {antimagic,
                  | rC+}.
 41258 | D:14     | 41258 ||| SWAPPING to +6 heavy broad axe.
 41259 | D:14     | 41259 ||| SWAPPING to +9 broad axe "Kosum" {antimagic,
                  | rC+}.
 41260 | D:14     | 41260 ||| SWAPPING to +6 heavy broad axe.
 41261 | D:14     | 41261 ||| SWAPPING to +9 broad axe "Kosum" {antimagic,
                  | rC+}.
 41262 | D:14     | 41262 ||| SWAPPING to +6 heavy broad axe.
 41263 | D:14     | 41263 ||| SWAPPING to +9 broad axe "Kosum" {antimagic,
                  | rC+}.
 41264 | D:14     | 41264 ||| SWAPPING to +6 heavy broad axe.
 41265 | D:14     | 41265 ||| SWAPPING to +9 broad axe "Kosum" {antimagic,
                  | rC+}.
 41266 | D:14     | 41266 ||| SWAPPING to +6 heavy broad axe.
 41267 | D:14     | 41267 ||| SWAPPING to +9 broad axe "Kosum" {antimagic,
                  | rC+}.
 41268 | D:14     | 41268 ||| SWAPPING to +6 heavy broad axe.
 41269 | D:14     | 41269 ||| SWAPPING to +9 broad axe "Kosum" {antimagic,
                  | rC+}.
 41270 | D:14     | 41270 ||| SWAPPING to +6 heavy broad axe.
 41271 | D:14     | 41271 ||| SWAPPING to +9 broad axe "Kosum" {antimagic,
                  | rC+}.
 41272 | D:14     | 41272 ||| SWAPPING to +6 heavy broad axe.
 41273 | D:14     | 41273 ||| SWAPPING to +9 broad axe "Kosum" {antimagic,
                  | rC+}.
 41274 | D:14     | 41274 ||| SWAPPING to +6 heavy broad axe.
 41275 | D:14     | 41275 ||| SWAPPING to +9 broad axe "Kosum" {antimagic,
                  | rC+}.
 41276 | D:14     | 41276 ||| SWAPPING to +6 heavy broad axe.
 41277 | D:14     | 41277 ||| SWAPPING to +9 broad axe "Kosum" {antimagic,
                  | rC+}.
 41278 | D:14     | 41278 ||| SWAPPING to +6 heavy broad axe.
 41279 | D:14     | 41279 ||| SWAPPING to +9 broad axe "Kosum" {antimagic,
                  | rC+}.
 41280 | D:14     | 41280 ||| SWAPPING to +6 heavy broad axe.
 41281 | D:14     | 41281 ||| SWAPPING to +9 broad axe "Kosum" {antimagic,
                  | rC+}.
 41282 | D:14     | 41282 ||| SWAPPING to +6 heavy broad axe.
 41283 | D:14     | 41283 ||| SWAPPING to +9 broad axe "Kosum" {antimagic,
                  | rC+}.
 41284 | D:14     | 41284 ||| SWAPPING to +6 heavy broad axe.
 41285 | D:14     | 41285 ||| SWAPPING to +9 broad axe "Kosum" {antimagic,
                  | rC+}.
 41286 | D:14     | 41286 ||| SWAPPING to +6 heavy broad axe.
 41287 | D:14     | 41287 ||| SWAPPING to +9 broad axe "Kosum" {antimagic,
                  | rC+}.
 41288 | D:14     | 41288 ||| SWAPPING to +6 heavy broad axe.
 41289 | D:14     | 41289 ||| SWAPPING to +9 broad axe "Kosum" {antimagic,
                  | rC+}.
 41290 | D:14     | 41290 ||| SWAPPING to +6 heavy broad axe.
 41291 | D:14     | 41291 ||| SWAPPING to +9 broad axe "Kosum" {antimagic,
                  | rC+}.
 41292 | D:14     | 41292 ||| SWAPPING to +6 heavy broad axe.
 41293 | D:14     | 41293 ||| SWAPPING to +9 broad axe "Kosum" {antimagic,
                  | rC+}.
 41294 | D:14     | 41294 ||| SWAPPING to +6 heavy broad axe.
 41295 | D:14     | 41295 ||| SWAPPING to +9 broad axe "Kosum" {antimagic,
                  | rC+}.
 41296 | D:14     | 41296 ||| SWAPPING to +6 heavy broad axe.
 41297 | D:14     | 41297 ||| SWAPPING to +9 broad axe "Kosum" {antimagic,
                  | rC+}.
 41298 | D:14     | 41298 ||| SWAPPING to +6 heavy broad axe.
 41299 | D:14     | 41299 ||| SWAPPING to +9 broad axe "Kosum" {antimagic,
                  | rC+}.
 41300 | D:14     | 41300 ||| SWAPPING to +6 heavy broad axe.
 41301 | D:14     | 41301 ||| SWAPPING to +9 broad axe "Kosum" {antimagic,
                  | rC+}.
 41302 | D:14     | 41302 ||| SWAPPING to +6 heavy broad axe.
 41303 | D:14     | 41303 ||| SWAPPING to +9 broad axe "Kosum" {antimagic,
                  | rC+}.
 41304 | D:14     | 41304 ||| SWAPPING to +6 heavy broad axe.
 41305 | D:14     | 41305 ||| SWAPPING to +9 broad axe "Kosum" {antimagic,
                  | rC+}.
 41306 | D:14     | 41306 ||| SWAPPING to +6 heavy broad axe.
 41307 | D:14     | 41307 ||| SWAPPING to +9 broad axe "Kosum" {antimagic,
                  | rC+}.
 41308 | D:14     | 41308 ||| SWAPPING to +6 heavy broad axe.
 41309 | D:14     | 41309 ||| SWAPPING to +9 broad axe "Kosum" {antimagic,
                  | rC+}.
 41310 | D:14     | 41310 ||| SWAPPING to +6 heavy broad axe.
 41311 | D:14     | 41311 ||| SWAPPING to +9 broad axe "Kosum" {antimagic,
                  | rC+}.
 41312 | D:14     | 41312 ||| SWAPPING to +6 heavy broad axe.
 41313 | D:14     | 41313 ||| SWAPPING to +9 broad axe "Kosum" {antimagic,
                  | rC+}.
 41314 | D:14     | 41314 ||| SWAPPING to +6 heavy broad axe.
 41315 | D:14     | 41315 ||| SWAPPING to +9 broad axe "Kosum" {antimagic,
                  | rC+}.
 41316 | D:14     | 41316 ||| SWAPPING to +6 heavy broad axe.
 41317 | D:14     | 41317 ||| SWAPPING to +9 broad axe "Kosum" {antimagic,
                  | rC+}.
 41318 | D:14     | 41318 ||| SWAPPING to +6 heavy broad axe.
 41319 | D:14     | 41319 ||| SWAPPING to +9 broad axe "Kosum" {antimagic,
                  | rC+}.
 41320 | D:14     | 41320 ||| SWAPPING to +6 heavy broad axe.
 41321 | D:14     | 41321 ||| SWAPPING to +9 broad axe "Kosum" {antimagic,
                  | rC+}.
 41322 | D:14     | 41322 ||| SWAPPING to +6 heavy broad axe.
 41323 | D:14     | 41323 ||| SWAPPING to +9 broad axe "Kosum" {antimagic,
                  | rC+}.
 41324 | D:14     | 41324 ||| SWAPPING to +6 heavy broad axe.
 41325 | D:14     | 41325 ||| SWAPPING to +9 broad axe "Kosum" {antimagic,
                  | rC+}.
 41326 | D:14     | 41326 ||| SWAPPING to +6 heavy broad axe.
 41327 | D:14     | 41327 ||| SWAPPING to +9 broad axe "Kosum" {antimagic,
                  | rC+}.
 41328 | D:14     | 41328 ||| SWAPPING to +6 heavy broad axe.
 41329 | D:14     | 41329 ||| SWAPPING to +9 broad axe "Kosum" {antimagic,
                  | rC+}.
 41330 | D:14     | 41330 ||| SWAPPING to +6 heavy broad axe.
 41331 | D:14     | 41331 ||| SWAPPING to +9 broad axe "Kosum" {antimagic,
                  | rC+}.
 41332 | D:14     | 41332 ||| SWAPPING to +6 heavy broad axe.
 41333 | D:14     | 41333 ||| SWAPPING to +9 broad axe "Kosum" {antimagic,
                  | rC+}.
 41334 | D:14     | 41334 ||| SWAPPING to +6 heavy broad axe.
 41335 | D:14     | 41335 ||| SWAPPING to +9 broad axe "Kosum" {antimagic,
                  | rC+}.
 41336 | D:14     | 41336 ||| SWAPPING to +6 heavy broad axe.
 41337 | D:14     | 41337 ||| SWAPPING to +9 broad axe "Kosum" {antimagic,
                  | rC+}.
 41338 | D:14     | 41338 ||| SWAPPING to +6 heavy broad axe.
 41339 | D:14     | 41339 ||| SWAPPING to +9 broad axe "Kosum" {antimagic,
                  | rC+}.
 41340 | D:14     | 41340 ||| SWAPPING to +6 heavy broad axe.
 41341 | D:14     | 41341 ||| SWAPPING to +9 broad axe "Kosum" {antimagic,
                  | rC+}.
 41342 | D:14     | 41342 ||| SWAPPING to +6 heavy broad axe.
 41343 | D:14     | 41343 ||| SWAPPING to +9 broad axe "Kosum" {antimagic,
                  | rC+}.
 41344 | D:14     | 41344 ||| SWAPPING to +6 heavy broad axe.
 41345 | D:14     | 41345 ||| SWAPPING to +9 broad axe "Kosum" {antimagic,
                  | rC+}.
 41346 | D:14     | 41346 ||| SWAPPING to +6 heavy broad axe.
 41347 | D:14     | 41347 ||| SWAPPING to +9 broad axe "Kosum" {antimagic,
                  | rC+}.
 41348 | D:14     | 41348 ||| SWAPPING to +6 heavy broad axe.
 41349 | D:14     | 41349 ||| SWAPPING to +9 broad axe "Kosum" {antimagic,
                  | rC+}.
 41350 | D:14     | 41350 ||| SWAPPING to +6 heavy broad axe.
 41351 | D:14     | 41351 ||| SWAPPING to +9 broad axe "Kosum" {antimagic,
                  | rC+}.
 41352 | D:14     | 41352 ||| SWAPPING to +6 heavy broad axe.
 41353 | D:14     | 41353 ||| SWAPPING to +9 broad axe "Kosum" {antimagic,
                  | rC+}.
 41354 | D:14     | 41354 ||| SWAPPING to +6 heavy broad axe.
 41355 | D:14     | 41355 ||| SWAPPING to +9 broad axe "Kosum" {antimagic,
                  | rC+}.
 41356 | D:14     | 41356 ||| SWAPPING to +6 heavy broad axe.
 41357 | D:14     | 41357 ||| SWAPPING to +9 broad axe "Kosum" {antimagic,
                  | rC+}.
 41358 | D:14     | 41358 ||| SWAPPING to +6 heavy broad axe.
 41359 | D:14     | 41359 ||| SWAPPING to +9 broad axe "Kosum" {antimagic,
                  | rC+}.
 41360 | D:14     | 41360 ||| SWAPPING to +6 heavy broad axe.
 41361 | D:14     | 41361 ||| SWAPPING to +9 broad axe "Kosum" {antimagic,
                  | rC+}.
 41362 | D:14     | 41362 ||| SWAPPING to +6 heavy broad axe.
 41363 | D:14     | 41363 ||| SWAPPING to +9 broad axe "Kosum" {antimagic,
                  | rC+}.
 41364 | D:14     | 41364 ||| SWAPPING to +6 heavy broad axe.
 41365 | D:14     | 41365 ||| SWAPPING to +9 broad axe "Kosum" {antimagic,
                  | rC+}.
 41366 | D:14     | 41366 ||| SWAPPING to +6 heavy broad axe.
 41367 | D:14     | 41367 ||| SWAPPING to +9 broad axe "Kosum" {antimagic,
                  | rC+}.
 41368 | D:14     | 41368 ||| SWAPPING to +6 heavy broad axe.
 41369 | D:14     | 41369 ||| SWAPPING to +9 broad axe "Kosum" {antimagic,
                  | rC+}.
 41370 | D:14     | 41370 ||| SWAPPING to +6 heavy broad axe.
 41371 | D:14     | 41371 ||| SWAPPING to +9 broad axe "Kosum" {antimagic,
                  | rC+}.
 41372 | D:14     | 41372 ||| SWAPPING to +6 heavy broad axe.
 41373 | D:14     | 41373 ||| SWAPPING to +9 broad axe "Kosum" {antimagic,
                  | rC+}.
 41374 | D:14     | 41374 ||| SWAPPING to +6 heavy broad axe.
 41375 | D:14     | 41375 ||| SWAPPING to +9 broad axe "Kosum" {antimagic,
                  | rC+}.
 41376 | D:14     | 41376 ||| SWAPPING to +6 heavy broad axe.
 41377 | D:14     | 41377 ||| SWAPPING to +9 broad axe "Kosum" {antimagic,
                  | rC+}.
 41378 | D:14     | 41378 ||| SWAPPING to +6 heavy broad axe.
 41379 | D:14     | 41379 ||| SWAPPING to +9 broad axe "Kosum" {antimagic,
                  | rC+}.
 41380 | D:14     | 41380 ||| SWAPPING to +6 heavy broad axe.
 41381 | D:14     | 41381 ||| SWAPPING to +9 broad axe "Kosum" {antimagic,
                  | rC+}.
 41382 | D:14     | 41382 ||| SWAPPING to +6 heavy broad axe.
 41383 | D:14     | 41383 ||| SWAPPING to +9 broad axe "Kosum" {antimagic,
                  | rC+}.
 41384 | D:14     | 41384 ||| SWAPPING to +6 heavy broad axe.
 41385 | D:14     | 41385 ||| SWAPPING to +9 broad axe "Kosum" {antimagic,
                  | rC+}.
 41386 | D:14     | 41386 ||| SWAPPING to +6 heavy broad axe.
 41387 | D:14     | 41387 ||| SWAPPING to +9 broad axe "Kosum" {antimagic,
                  | rC+}.
 41388 | D:14     | 41388 ||| SWAPPING to +6 heavy broad axe.
 41389 | D:14     | 41389 ||| SWAPPING to +9 broad axe "Kosum" {antimagic,
                  | rC+}.
 41390 | D:14     | 41390 ||| SWAPPING to +6 heavy broad axe.
 41391 | D:14     | 41391 ||| SWAPPING to +9 broad axe "Kosum" {antimagic,
                  | rC+}.
 41392 | D:14     | 41392 ||| SWAPPING to +6 heavy broad axe.
 41393 | D:14     | 41393 ||| SWAPPING to +9 broad axe "Kosum" {antimagic,
                  | rC+}.
 41394 | D:14     | 41394 ||| SWAPPING to +6 heavy broad axe.
 41395 | D:14     | 41395 ||| SWAPPING to +9 broad axe "Kosum" {antimagic,
                  | rC+}.
 41396 | D:14     | 41396 ||| SWAPPING to +6 heavy broad axe.
 41397 | D:14     | 41397 ||| SWAPPING to +9 broad axe "Kosum" {antimagic,
                  | rC+}.
 41398 | D:14     | 41398 ||| SWAPPING to +6 heavy broad axe.
 41399 | D:14     | 41399 ||| SWAPPING to +9 broad axe "Kosum" {antimagic,
                  | rC+}.
 41400 | D:14     | 41400 ||| SWAPPING to +6 heavy broad axe.
 41401 | D:14     | 41401 ||| SWAPPING to +9 broad axe "Kosum" {antimagic,
                  | rC+}.
 41402 | D:14     | 41402 ||| SWAPPING to +6 heavy broad axe.
 41403 | D:14     | 41403 ||| SWAPPING to +9 broad axe "Kosum" {antimagic,
                  | rC+}.
 41404 | D:14     | 41404 ||| SWAPPING to +6 heavy broad axe.
 41405 | D:14     | 41405 ||| SWAPPING to +9 broad axe "Kosum" {antimagic,
                  | rC+}.
 41406 | D:14     | 41406 ||| SWAPPING to +6 heavy broad axe.
 41407 | D:14     | 41407 ||| SWAPPING to +9 broad axe "Kosum" {antimagic,
                  | rC+}.
 41408 | D:14     | 41408 ||| SWAPPING to +6 heavy broad axe.
 41409 | D:14     | 41409 ||| SWAPPING to +9 broad axe "Kosum" {antimagic,
                  | rC+}.
 41410 | D:14     | 41410 ||| SWAPPING to +6 heavy broad axe.
 41411 | D:14     | 41411 ||| SWAPPING to +9 broad axe "Kosum" {antimagic,
                  | rC+}.
 41412 | D:14     | 41412 ||| SWAPPING to +6 heavy broad axe.
 41413 | D:14     | 41413 ||| SWAPPING to +9 broad axe "Kosum" {antimagic,
                  | rC+}.
 41414 | D:14     | 41414 ||| SWAPPING to +6 heavy broad axe.
 41415 | D:14     | 41415 ||| SWAPPING to +9 broad axe "Kosum" {antimagic,
                  | rC+}.
 41416 | D:14     | 41416 ||| SWAPPING to +6 heavy broad axe.
 41417 | D:14     | 41417 ||| SWAPPING to +9 broad axe "Kosum" {antimagic,
                  | rC+}.
 41418 | D:14     | 41418 ||| SWAPPING to +6 heavy broad axe.
 41419 | D:14     | 41419 ||| SWAPPING to +9 broad axe "Kosum" {antimagic,
                  | rC+}.
 41420 | D:14     | 41420 ||| SWAPPING to +6 heavy broad axe.
 41421 | D:14     | 41421 ||| SWAPPING to +9 broad axe "Kosum" {antimagic,
                  | rC+}.
 41422 | D:14     | 41422 ||| SWAPPING to +6 heavy broad axe.
 41423 | D:14     | 41423 ||| SWAPPING to +9 broad axe "Kosum" {antimagic,
                  | rC+}.
 41424 | D:14     | 41424 ||| SWAPPING to +6 heavy broad axe.
 41425 | D:14     | 41425 ||| SWAPPING to +9 broad axe "Kosum" {antimagic,
                  | rC+}.
 41426 | D:14     | 41426 ||| SWAPPING to +6 heavy broad axe.
 41427 | D:14     | 41427 ||| SWAPPING to +9 broad axe "Kosum" {antimagic,
                  | rC+}.
 41428 | D:14     | 41428 ||| SWAPPING to +6 heavy broad axe.
 41429 | D:14     | 41429 ||| SWAPPING to +9 broad axe "Kosum" {antimagic,
                  | rC+}.
 41430 | D:14     | 41430 ||| SWAPPING to +6 heavy broad axe.
 41431 | D:14     | 41431 ||| SWAPPING to +9 broad axe "Kosum" {antimagic,
                  | rC+}.
 41432 | D:14     | 41432 ||| SWAPPING to +6 heavy broad axe.
 41433 | D:14     | 41433 ||| SWAPPING to +9 broad axe "Kosum" {antimagic,
                  | rC+}.
 41434 | D:14     | 41434 ||| SWAPPING to +6 heavy broad axe.
 41435 | D:14     | 41435 ||| SWAPPING to +9 broad axe "Kosum" {antimagic,
                  | rC+}.
 41436 | D:14     | 41436 ||| SWAPPING to +6 heavy broad axe.
 41437 | D:14     | 41437 ||| SWAPPING to +9 broad axe "Kosum" {antimagic,
                  | rC+}.
 41438 | D:14     | 41438 ||| SWAPPING to +6 heavy broad axe.
 41439 | D:14     | 41439 ||| SWAPPING to +9 broad axe "Kosum" {antimagic,
                  | rC+}.
 41440 | D:14     | 41440 ||| SWAPPING to +6 heavy broad axe.
 41441 | D:14     | 41441 ||| SWAPPING to +9 broad axe "Kosum" {antimagic,
                  | rC+}.
 41442 | D:14     | 41442 ||| SWAPPING to +6 heavy broad axe.
 41443 | D:14     | 41443 ||| SWAPPING to +9 broad axe "Kosum" {antimagic,
                  | rC+}.
 41444 | D:14     | 41444 ||| SWAPPING to +6 heavy broad axe.
 41445 | D:14     | 41445 ||| SWAPPING to +9 broad axe "Kosum" {antimagic,
                  | rC+}.
 41446 | D:14     | 41446 ||| SWAPPING to +6 heavy broad axe.
 41447 | D:14     | 41447 ||| SWAPPING to +9 broad axe "Kosum" {antimagic,
                  | rC+}.
 41448 | D:14     | 41448 ||| SWAPPING to +6 heavy broad axe.
 41449 | D:14     | 41449 ||| SWAPPING to +9 broad axe "Kosum" {antimagic,
                  | rC+}.
 41450 | D:14     | 41450 ||| SWAPPING to +6 heavy broad axe.
 41451 | D:14     | 41451 ||| SWAPPING to +9 broad axe "Kosum" {antimagic,
                  | rC+}.
 41452 | D:14     | 41452 ||| SWAPPING to +6 heavy broad axe.
 41453 | D:14     | 41453 ||| SWAPPING to +9 broad axe "Kosum" {antimagic,
                  | rC+}.
 41454 | D:14     | 41454 ||| SWAPPING to +6 heavy broad axe.
 41455 | D:14     | 41455 ||| SWAPPING to +9 broad axe "Kosum" {antimagic,
                  | rC+}.
 41456 | D:14     | 41456 ||| SWAPPING to +6 heavy broad axe.
 41457 | D:14     | 41457 ||| SWAPPING to +9 broad axe "Kosum" {antimagic,
                  | rC+}.
 41458 | D:14     | 41458 ||| SWAPPING to +6 heavy broad axe.
 41459 | D:14     | 41459 ||| SWAPPING to +9 broad axe "Kosum" {antimagic,
                  | rC+}.
 41460 | D:14     | 41460 ||| SWAPPING to +6 heavy broad axe.
 41461 | D:14     | 41461 ||| SWAPPING to +9 broad axe "Kosum" {antimagic,
                  | rC+}.
 41462 | D:14     | 41462 ||| SWAPPING to +6 heavy broad axe.
 41463 | D:14     | 41463 ||| SWAPPING to +9 broad axe "Kosum" {antimagic,
                  | rC+}.
 41464 | D:14     | 41464 ||| SWAPPING to +6 heavy broad axe.
 41465 | D:14     | 41465 ||| SWAPPING to +9 broad axe "Kosum" {antimagic,
                  | rC+}.
 41466 | D:14     | 41466 ||| SWAPPING to +6 heavy broad axe.
 41467 | D:14     | 41467 ||| SWAPPING to +9 broad axe "Kosum" {antimagic,
                  | rC+}.
 41468 | D:14     | 41468 ||| SWAPPING to +6 heavy broad axe.
 41469 | D:14     | 41469 ||| SWAPPING to +9 broad axe "Kosum" {antimagic,
                  | rC+}.
 41470 | D:14     | 41470 ||| SWAPPING to +6 heavy broad axe.
 41471 | D:14     | 41471 ||| SWAPPING to +9 broad axe "Kosum" {antimagic,
                  | rC+}.
 41472 | D:14     | 41472 ||| SWAPPING to +6 heavy broad axe.
 41473 | D:14     | 41473 ||| SWAPPING to +9 broad axe "Kosum" {antimagic,
                  | rC+}.
 41474 | D:14     | 41474 ||| SWAPPING to +6 heavy broad axe.
 41475 | D:14     | 41475 ||| SWAPPING to +9 broad axe "Kosum" {antimagic,
                  | rC+}.
 41476 | D:14     | 41476 ||| SWAPPING to +6 heavy broad axe.
 41477 | D:14     | 41477 ||| SWAPPING to +9 broad axe "Kosum" {antimagic,
                  | rC+}.
 41478 | D:14     | 41478 ||| SWAPPING to +6 heavy broad axe.
 41479 | D:14     | 41479 ||| SWAPPING to +9 broad axe "Kosum" {antimagic,
                  | rC+}.
 41480 | D:14     | 41480 ||| SWAPPING to +6 heavy broad axe.
 41481 | D:14     | 41481 ||| SWAPPING to +9 broad axe "Kosum" {antimagic,
                  | rC+}.
 41482 | D:14     | 41482 ||| SWAPPING to +6 heavy broad axe.
 41483 | D:14     | 41483 ||| SWAPPING to +9 broad axe "Kosum" {antimagic,
                  | rC+}.
 41484 | D:14     | 41484 ||| SWAPPING to +6 heavy broad axe.
 41485 | D:14     | 41485 ||| SWAPPING to +9 broad axe "Kosum" {antimagic,
                  | rC+}.
 41486 | D:14     | 41486 ||| SWAPPING to +6 heavy broad axe.
 41487 | D:14     | 41487 ||| SWAPPING to +9 broad axe "Kosum" {antimagic,
                  | rC+}.
 41488 | D:14     | 41488 ||| SWAPPING to +6 heavy broad axe.
 41489 | D:14     | 41489 ||| SWAPPING to +9 broad axe "Kosum" {antimagic,
                  | rC+}.
 41490 | D:14     | 41490 ||| SWAPPING to +6 heavy broad axe.
 41491 | D:14     | 41491 ||| SWAPPING to +9 broad axe "Kosum" {antimagic,
                  | rC+}.
 41492 | D:14     | 41492 ||| SWAPPING to +6 heavy broad axe.
 41493 | D:14     | 41493 ||| SWAPPING to +9 broad axe "Kosum" {antimagic,
                  | rC+}.
 41494 | D:14     | 41494 ||| SWAPPING to +6 heavy broad axe.
 41495 | D:14     | 41495 ||| SWAPPING to +9 broad axe "Kosum" {antimagic,
                  | rC+}.
 41496 | D:14     | 41496 ||| SWAPPING to +6 heavy broad axe.
 41497 | D:14     | 41497 ||| SWAPPING to +9 broad axe "Kosum" {antimagic,
                  | rC+}.
 41498 | D:14     | 41498 ||| SWAPPING to +6 heavy broad axe.
 41499 | D:14     | 41499 ||| SWAPPING to +9 broad axe "Kosum" {antimagic,
                  | rC+}.
 41500 | D:14     | 41500 ||| SWAPPING to +6 heavy broad axe.
 41501 | D:14     | 41501 ||| SWAPPING to +9 broad axe "Kosum" {antimagic,
                  | rC+}.
 41502 | D:14     | 41502 ||| SWAPPING to +6 heavy broad axe.
 41503 | D:14     | 41503 ||| SWAPPING to +9 broad axe "Kosum" {antimagic,
                  | rC+}.
 41504 | D:14     | 41504 ||| SWAPPING to +6 heavy broad axe.
 41505 | D:14     | 41505 ||| SWAPPING to +9 broad axe "Kosum" {antimagic,
                  | rC+}.
 41506 | D:14     | 41506 ||| SWAPPING to +6 heavy broad axe.
 41507 | D:14     | 41507 ||| SWAPPING to +9 broad axe "Kosum" {antimagic,
                  | rC+}.
 41508 | D:14     | 41508 ||| SWAPPING to +6 heavy broad axe.
 41509 | D:14     | 41509 ||| SWAPPING to +9 broad axe "Kosum" {antimagic,
                  | rC+}.
 41510 | D:14     | 41510 ||| SWAPPING to +6 heavy broad axe.
 41511 | D:14     | 41511 ||| SWAPPING to +9 broad axe "Kosum" {antimagic,
                  | rC+}.
 41512 | D:14     | 41512 ||| SWAPPING to +6 heavy broad axe.
 41513 | D:14     | 41513 ||| SWAPPING to +9 broad axe "Kosum" {antimagic,
                  | rC+}.
 41514 | D:14     | 41514 ||| SWAPPING to +6 heavy broad axe.
 41515 | D:14     | 41515 ||| SWAPPING to +9 broad axe "Kosum" {antimagic,
                  | rC+}.
 41516 | D:14     | 41516 ||| SWAPPING to +6 heavy broad axe.
 41517 | D:14     | 41517 ||| SWAPPING to +9 broad axe "Kosum" {antimagic,
                  | rC+}.
 41518 | D:14     | 41518 ||| SWAPPING to +6 heavy broad axe.
 41519 | D:14     | 41519 ||| SWAPPING to +9 broad axe "Kosum" {antimagic,
                  | rC+}.
 41520 | D:14     | 41520 ||| SWAPPING to +6 heavy broad axe.
 41521 | D:14     | 41521 ||| SWAPPING to +9 broad axe "Kosum" {antimagic,
                  | rC+}.
 41522 | D:14     | 41522 ||| SWAPPING to +6 heavy broad axe.
 41523 | D:14     | 41523 ||| SWAPPING to +9 broad axe "Kosum" {antimagic,
                  | rC+}.
 41524 | D:14     | 41524 ||| SWAPPING to +6 heavy broad axe.
 41525 | D:14     | 41525 ||| SWAPPING to +9 broad axe "Kosum" {antimagic,
                  | rC+}.
 41526 | D:14     | 41526 ||| SWAPPING to +6 heavy broad axe.
 41527 | D:14     | 41527 ||| SWAPPING to +9 broad axe "Kosum" {antimagic,
                  | rC+}.
 41528 | D:14     | 41528 ||| SWAPPING to +6 heavy broad axe.
 41529 | D:14     | 41529 ||| SWAPPING to +9 broad axe "Kosum" {antimagic,
                  | rC+}.
 41530 | D:14     | 41530 ||| SWAPPING to +6 heavy broad axe.
 41531 | D:14     | 41531 ||| SWAPPING to +9 broad axe "Kosum" {antimagic,
                  | rC+}.
 41532 | D:14     | 41532 ||| SWAPPING to +6 heavy broad axe.
 41533 | D:14     | 41533 ||| SWAPPING to +9 broad axe "Kosum" {antimagic,
                  | rC+}.
 41534 | D:14     | 41534 ||| SWAPPING to +6 heavy broad axe.
 41535 | D:14     | 41535 ||| SWAPPING to +9 broad axe "Kosum" {antimagic,
                  | rC+}.
 41536 | D:14     | 41536 ||| SWAPPING to +6 heavy broad axe.
 41537 | D:14     | 41537 ||| SWAPPING to +9 broad axe "Kosum" {antimagic,
                  | rC+}.
 41538 | D:14     | 41538 ||| SWAPPING to +6 heavy broad axe.
 41539 | D:14     | 41539 ||| SWAPPING to +9 broad axe "Kosum" {antimagic,
                  | rC+}.
 41540 | D:14     | 41540 ||| SWAPPING to +6 heavy broad axe.
 41541 | D:14     | 41541 ||| SWAPPING to +9 broad axe "Kosum" {antimagic,
                  | rC+}.
 41542 | D:14     | 41542 ||| SWAPPING to +6 heavy broad axe.
 41543 | D:14     | 41543 ||| SWAPPING to +9 broad axe "Kosum" {antimagic,
                  | rC+}.
 41544 | D:14     | 41544 ||| SWAPPING to +6 heavy broad axe.
 41545 | D:14     | 41545 ||| SWAPPING to +9 broad axe "Kosum" {antimagic,
                  | rC+}.
 41546 | D:14     | 41546 ||| SWAPPING to +6 heavy broad axe.
 41547 | D:14     | 41547 ||| SWAPPING to +9 broad axe "Kosum" {antimagic,
                  | rC+}.
 41548 | D:14     | 41548 ||| SWAPPING to +6 heavy broad axe.
 41549 | D:14     | 41549 ||| SWAPPING to +9 broad axe "Kosum" {antimagic,
                  | rC+}.
 41550 | D:14     | 41550 ||| SWAPPING to +6 heavy broad axe.
 41551 | D:14     | 41551 ||| SWAPPING to +9 broad axe "Kosum" {antimagic,
                  | rC+}.
 41552 | D:14     | 41552 ||| SWAPPING to +6 heavy broad axe.
 41553 | D:14     | 41553 ||| SWAPPING to +9 broad axe "Kosum" {antimagic,
                  | rC+}.
 41554 | D:14     | 41554 ||| SWAPPING to +6 heavy broad axe.
 41555 | D:14     | 41555 ||| SWAPPING to +9 broad axe "Kosum" {antimagic,
                  | rC+}.
 41556 | D:14     | 41556 ||| SWAPPING to +6 heavy broad axe.
 41557 | D:14     | 41557 ||| SWAPPING to +9 broad axe "Kosum" {antimagic,
                  | rC+}.
 41558 | D:14     | 41558 ||| SWAPPING to +6 heavy broad axe.
 41559 | D:14     | 41559 ||| SWAPPING to +9 broad axe "Kosum" {antimagic,
                  | rC+}.
 41560 | D:14     | 41560 ||| SWAPPING to +6 heavy broad axe.
 41561 | D:14     | 41561 ||| SWAPPING to +9 broad axe "Kosum" {antimagic,
                  | rC+}.
 41562 | D:14     | 41562 ||| SWAPPING to +6 heavy broad axe.
 41563 | D:14     | 41563 ||| SWAPPING to +9 broad axe "Kosum" {antimagic,
                  | rC+}.
 41564 | D:14     | 41564 ||| SWAPPING to +6 heavy broad axe.
 41565 | D:14     | 41565 ||| SWAPPING to +9 broad axe "Kosum" {antimagic,
                  | rC+}.
 41566 | D:14     | 41566 ||| SWAPPING to +6 heavy broad axe.
 41567 | D:14     | 41567 ||| SWAPPING to +9 broad axe "Kosum" {antimagic,
                  | rC+}.
 41568 | D:14     | 41568 ||| SWAPPING to +6 heavy broad axe.
 41569 | D:14     | 41569 ||| SWAPPING to +9 broad axe "Kosum" {antimagic,
                  | rC+}.
 41570 | D:14     | 41570 ||| SWAPPING to +6 heavy broad axe.
 41571 | D:14     | 41571 ||| SWAPPING to +9 broad axe "Kosum" {antimagic,
                  | rC+}.
 41572 | D:14     | 41572 ||| SWAPPING to +6 heavy broad axe.
 41573 | D:14     | 41573 ||| SWAPPING to +9 broad axe "Kosum" {antimagic,
                  | rC+}.
 41574 | D:14     | 41574 ||| SWAPPING to +6 heavy broad axe.
 41575 | D:14     | 41575 ||| SWAPPING to +9 broad axe "Kosum" {antimagic,
                  | rC+}.
 41576 | D:14     | 41576 ||| SWAPPING to +6 heavy broad axe.
 41577 | D:14     | 41577 ||| SWAPPING to +9 broad axe "Kosum" {antimagic,
                  | rC+}.
 41578 | D:14     | 41578 ||| SWAPPING to +6 heavy broad axe.
 41579 | D:14     | 41579 ||| SWAPPING to +9 broad axe "Kosum" {antimagic,
                  | rC+}.
 41580 | D:14     | 41580 ||| SWAPPING to +6 heavy broad axe.
 41581 | D:14     | 41581 ||| SWAPPING to +9 broad axe "Kosum" {antimagic,
                  | rC+}.
 41582 | D:14     | 41582 ||| SWAPPING to +6 heavy broad axe.
 41583 | D:14     | 41583 ||| SWAPPING to +9 broad axe "Kosum" {antimagic,
                  | rC+}.
 41584 | D:14     | 41584 ||| SWAPPING to +6 heavy broad axe.
 41585 | D:14     | 41585 ||| SWAPPING to +9 broad axe "Kosum" {antimagic,
                  | rC+}.
 41586 | D:14     | 41586 ||| SWAPPING to +6 heavy broad axe.
 41587 | D:14     | 41587 ||| SWAPPING to +9 broad axe "Kosum" {antimagic,
                  | rC+}.
 41588 | D:14     | 41588 ||| SWAPPING to +6 heavy broad axe.
 41589 | D:14     | 41589 ||| SWAPPING to +9 broad axe "Kosum" {antimagic,
                  | rC+}.
 41590 | D:14     | 41590 ||| SWAPPING to +6 heavy broad axe.
 41591 | D:14     | 41591 ||| SWAPPING to +9 broad axe "Kosum" {antimagic,
                  | rC+}.
 41592 | D:14     | 41592 ||| SWAPPING to +6 heavy broad axe.
 41593 | D:14     | 41593 ||| SWAPPING to +9 broad axe "Kosum" {antimagic,
                  | rC+}.
 41594 | D:14     | 41594 ||| SWAPPING to +6 heavy broad axe.
 41595 | D:14     | 41595 ||| SWAPPING to +9 broad axe "Kosum" {antimagic,
                  | rC+}.
 41596 | D:14     | 41596 ||| SWAPPING to +6 heavy broad axe.
 41597 | D:14     | 41597 ||| SWAPPING to +9 broad axe "Kosum" {antimagic,
                  | rC+}.
 41598 | D:14     | 41598 ||| SWAPPING to +6 heavy broad axe.
 41599 | D:14     | 41599 ||| SWAPPING to +9 broad axe "Kosum" {antimagic,
                  | rC+}.
 41600 | D:14     | 41600 ||| SWAPPING to +6 heavy broad axe.
 41601 | D:14     | 41601 ||| SWAPPING to +9 broad axe "Kosum" {antimagic,
                  | rC+}.
 41602 | D:14     | 41602 ||| SWAPPING to +6 heavy broad axe.
 41603 | D:14     | 41603 ||| SWAPPING to +9 broad axe "Kosum" {antimagic,
                  | rC+}.
 41604 | D:14     | 41604 ||| SWAPPING to +6 heavy broad axe.
 41605 | D:14     | 41605 ||| SWAPPING to +9 broad axe "Kosum" {antimagic,
                  | rC+}.
 41606 | D:14     | 41606 ||| SWAPPING to +6 heavy broad axe.
 41607 | D:14     | 41607 ||| SWAPPING to +9 broad axe "Kosum" {antimagic,
                  | rC+}.
 41608 | D:14     | 41608 ||| SWAPPING to +6 heavy broad axe.
 41609 | D:14     | 41609 ||| SWAPPING to +9 broad axe "Kosum" {antimagic,
                  | rC+}.
 41610 | D:14     | 41610 ||| SWAPPING to +6 heavy broad axe.
 41611 | D:14     | 41611 ||| SWAPPING to +9 broad axe "Kosum" {antimagic,
                  | rC+}.
 41612 | D:14     | 41612 ||| SWAPPING to +6 heavy broad axe.
 41613 | D:14     | 41613 ||| SWAPPING to +9 broad axe "Kosum" {antimagic,
                  | rC+}.
 41614 | D:14     | 41614 ||| SWAPPING to +6 heavy broad axe.
 41615 | D:14     | 41615 ||| SWAPPING to +9 broad axe "Kosum" {antimagic,
                  | rC+}.
 41616 | D:14     | 41616 ||| SWAPPING to +6 heavy broad axe.
 41617 | D:14     | 41617 ||| SWAPPING to +9 broad axe "Kosum" {antimagic,
                  | rC+}.
 41618 | D:14     | 41618 ||| SWAPPING to +6 heavy broad axe.
 41619 | D:14     | 41619 ||| SWAPPING to +9 broad axe "Kosum" {antimagic,
                  | rC+}.
 41620 | D:14     | 41620 ||| SWAPPING to +6 heavy broad axe.
 41621 | D:14     | 41621 ||| SWAPPING to +9 broad axe "Kosum" {antimagic,
                  | rC+}.
 41622 | D:14     | 41622 ||| SWAPPING to +6 heavy broad axe.
 41623 | D:14     | 41623 ||| SWAPPING to +9 broad axe "Kosum" {antimagic,
                  | rC+}.
 41624 | D:14     | 41624 ||| SWAPPING to +6 heavy broad axe.
 41625 | D:14     | 41625 ||| SWAPPING to +9 broad axe "Kosum" {antimagic,
                  | rC+}.
 41626 | D:14     | 41626 ||| SWAPPING to +6 heavy broad axe.
 41627 | D:14     | 41627 ||| SWAPPING to +9 broad axe "Kosum" {antimagic,
                  | rC+}.
 41628 | D:14     | 41628 ||| SWAPPING to +6 heavy broad axe.
 41629 | D:14     | 41629 ||| SWAPPING to +9 broad axe "Kosum" {antimagic,
                  | rC+}.
 41630 | D:14     | 41630 ||| SWAPPING to +6 heavy broad axe.
 41631 | D:14     | 41631 ||| SWAPPING to +9 broad axe "Kosum" {antimagic,
                  | rC+}.
 41632 | D:14     | 41632 ||| SWAPPING to +6 heavy broad axe.
 41633 | D:14     | 41633 ||| SWAPPING to +9 broad axe "Kosum" {antimagic,
                  | rC+}.
 41634 | D:14     | 41634 ||| SWAPPING to +6 heavy broad axe.
 41635 | D:14     | 41635 ||| SWAPPING to +9 broad axe "Kosum" {antimagic,
                  | rC+}.
 41636 | D:14     | 41636 ||| SWAPPING to +6 heavy broad axe.
 41637 | D:14     | 41637 ||| SWAPPING to +9 broad axe "Kosum" {antimagic,
                  | rC+}.
 41638 | D:14     | 41638 ||| SWAPPING to +6 heavy broad axe.
 41639 | D:14     | 41639 ||| SWAPPING to +9 broad axe "Kosum" {antimagic,
                  | rC+}.
 41640 | D:14     | 41640 ||| SWAPPING to +6 heavy broad axe.
 41641 | D:14     | 41641 ||| SWAPPING to +9 broad axe "Kosum" {antimagic,
                  | rC+}.
 41642 | D:14     | 41642 ||| SWAPPING to +6 heavy broad axe.
 41643 | D:14     | 41643 ||| SWAPPING to +9 broad axe "Kosum" {antimagic,
                  | rC+}.
 41644 | D:14     | 41644 ||| SWAPPING to +6 heavy broad axe.
 41645 | D:14     | 41645 ||| SWAPPING to +9 broad axe "Kosum" {antimagic,
                  | rC+}.
 41646 | D:14     | 41646 ||| SWAPPING to +6 heavy broad axe.
 41647 | D:14     | 41647 ||| SWAPPING to +9 broad axe "Kosum" {antimagic,
                  | rC+}.
 41648 | D:14     | 41648 ||| SWAPPING to +6 heavy broad axe.
 41649 | D:14     | 41649 ||| SWAPPING to +9 broad axe "Kosum" {antimagic,
                  | rC+}.
 41650 | D:14     | 41650 ||| SWAPPING to +6 heavy broad axe.
 41651 | D:14     | 41651 ||| SWAPPING to +9 broad axe "Kosum" {antimagic,
                  | rC+}.
 41652 | D:14     | 41652 ||| SWAPPING to +6 heavy broad axe.
 41653 | D:14     | 41653 ||| SWAPPING to +9 broad axe "Kosum" {antimagic,
                  | rC+}.
 41654 | D:14     | 41654 ||| SWAPPING to +6 heavy broad axe.
 41655 | D:14     | 41655 ||| SWAPPING to +9 broad axe "Kosum" {antimagic,
                  | rC+}.
 41656 | D:14     | 41656 ||| SWAPPING to +6 heavy broad axe.
 41657 | D:14     | 41657 ||| SWAPPING to +9 broad axe "Kosum" {antimagic,
                  | rC+}.
 41658 | D:14     | 41658 ||| SWAPPING to +6 heavy broad axe.
 41659 | D:14     | 41659 ||| SWAPPING to +9 broad axe "Kosum" {antimagic,
                  | rC+}.
 41660 | D:14     | 41660 ||| SWAPPING to +6 heavy broad axe.
 41661 | D:14     | 41661 ||| SWAPPING to +9 broad axe "Kosum" {antimagic,
                  | rC+}.
 41662 | D:14     | 41662 ||| SWAPPING to +6 heavy broad axe.
 41663 | D:14     | 41663 ||| SWAPPING to +9 broad axe "Kosum" {antimagic,
                  | rC+}.
 41664 | D:14     | 41664 ||| SWAPPING to +6 heavy broad axe.
 41665 | D:14     | 41665 ||| SWAPPING to +9 broad axe "Kosum" {antimagic,
                  | rC+}.
 41666 | D:14     | 41666 ||| SWAPPING to +6 heavy broad axe.
 41667 | D:14     | 41667 ||| SWAPPING to +9 broad axe "Kosum" {antimagic,
                  | rC+}.
 41668 | D:14     | 41668 ||| SWAPPING to +6 heavy broad axe.
 41669 | D:14     | 41669 ||| SWAPPING to +9 broad axe "Kosum" {antimagic,
                  | rC+}.
 41670 | D:14     | 41670 ||| SWAPPING to +6 heavy broad axe.
 41671 | D:14     | 41671 ||| SWAPPING to +9 broad axe "Kosum" {antimagic,
                  | rC+}.
 41672 | D:14     | 41672 ||| SWAPPING to +6 heavy broad axe.
 41673 | D:14     | 41673 ||| SWAPPING to +9 broad axe "Kosum" {antimagic,
                  | rC+}.
 41674 | D:14     | 41674 ||| SWAPPING to +6 heavy broad axe.
 41675 | D:14     | 41675 ||| SWAPPING to +9 broad axe "Kosum" {antimagic,
                  | rC+}.
 41676 | D:14     | 41676 ||| SWAPPING to +6 heavy broad axe.
 41677 | D:14     | 41677 ||| SWAPPING to +9 broad axe "Kosum" {antimagic,
                  | rC+}.
 41678 | D:14     | 41678 ||| SWAPPING to +6 heavy broad axe.
 41679 | D:14     | 41679 ||| SWAPPING to +9 broad axe "Kosum" {antimagic,
                  | rC+}.
 41680 | D:14     | 41680 ||| SWAPPING to +6 heavy broad axe.
 41681 | D:14     | 41681 ||| SWAPPING to +9 broad axe "Kosum" {antimagic,
                  | rC+}.
 41682 | D:14     | 41682 ||| SWAPPING to +6 heavy broad axe.
 41683 | D:14     | 41683 ||| SWAPPING to +9 broad axe "Kosum" {antimagic,
                  | rC+}.
 41684 | D:14     | 41684 ||| SWAPPING to +6 heavy broad axe.
 41685 | D:14     | 41685 ||| SWAPPING to +9 broad axe "Kosum" {antimagic,
                  | rC+}.
 41686 | D:14     | 41686 ||| SWAPPING to +6 heavy broad axe.
 41687 | D:14     | 41687 ||| SWAPPING to +9 broad axe "Kosum" {antimagic,
                  | rC+}.
 41688 | D:14     | 41688 ||| SWAPPING to +6 heavy broad axe.
 41689 | D:14     | 41689 ||| SWAPPING to +9 broad axe "Kosum" {antimagic,
                  | rC+}.
 41690 | D:14     | 41690 ||| SWAPPING to +6 heavy broad axe.
 41691 | D:14     | 41691 ||| SWAPPING to +9 broad axe "Kosum" {antimagic,
                  | rC+}.
 41692 | D:14     | 41692 ||| SWAPPING to +6 heavy broad axe.
 41693 | D:14     | 41693 ||| SWAPPING to +9 broad axe "Kosum" {antimagic,
                  | rC+}.
 41694 | D:14     | 41694 ||| SWAPPING to +6 heavy broad axe.
 41695 | D:14     | 41695 ||| SWAPPING to +9 broad axe "Kosum" {antimagic,
                  | rC+}.
 41696 | D:14     | 41696 ||| SWAPPING to +6 heavy broad axe.
 41697 | D:14     | 41697 ||| SWAPPING to +9 broad axe "Kosum" {antimagic,
                  | rC+}.
 41698 | D:14     | 41698 ||| SWAPPING to +6 heavy broad axe.
 41699 | D:14     | 41699 ||| SWAPPING to +9 broad axe "Kosum" {antimagic,
                  | rC+}.
 41700 | D:14     | 41700 ||| SWAPPING to +6 heavy broad axe.
 41701 | D:14     | 41701 ||| SWAPPING to +9 broad axe "Kosum" {antimagic,
                  | rC+}.
 41702 | D:14     | 41702 ||| SWAPPING to +6 heavy broad axe.
 41703 | D:14     | 41703 ||| SWAPPING to +9 broad axe "Kosum" {antimagic,
                  | rC+}.
 41704 | D:14     | 41704 ||| SWAPPING to +6 heavy broad axe.
 41705 | D:14     | 41705 ||| SWAPPING to +9 broad axe "Kosum" {antimagic,
                  | rC+}.
 41706 | D:14     | 41706 ||| SWAPPING to +6 heavy broad axe.
 41707 | D:14     | 41707 ||| SWAPPING to +9 broad axe "Kosum" {antimagic,
                  | rC+}.
 41708 | D:14     | 41708 ||| SWAPPING to +6 heavy broad axe.
 41709 | D:14     | 41709 ||| SWAPPING to +9 broad axe "Kosum" {antimagic,
                  | rC+}.
 41710 | D:14     | 41710 ||| SWAPPING to +6 heavy broad axe.
 41711 | D:14     | 41711 ||| SWAPPING to +9 broad axe "Kosum" {antimagic,
                  | rC+}.
 41712 | D:14     | 41712 ||| SWAPPING to +6 heavy broad axe.
 41713 | D:14     | 41713 ||| SWAPPING to +9 broad axe "Kosum" {antimagic,
                  | rC+}.
 41714 | D:14     | 41714 ||| SWAPPING to +6 heavy broad axe.
 41715 | D:14     | 41715 ||| SWAPPING to +9 broad axe "Kosum" {antimagic,
                  | rC+}.
 41716 | D:14     | 41716 ||| SWAPPING to +6 heavy broad axe.
 41717 | D:14     | 41717 ||| SWAPPING to +9 broad axe "Kosum" {antimagic,
                  | rC+}.
 41718 | D:14     | 41718 ||| SWAPPING to +6 heavy broad axe.
 41719 | D:14     | 41719 ||| SWAPPING to +9 broad axe "Kosum" {antimagic,
                  | rC+}.
 41720 | D:14     | 41720 ||| SWAPPING to +6 heavy broad axe.
 41721 | D:14     | 41721 ||| SWAPPING to +9 broad axe "Kosum" {antimagic,
                  | rC+}.
 41722 | D:14     | 41722 ||| SWAPPING to +6 heavy broad axe.
 41723 | D:14     | 41723 ||| SWAPPING to +9 broad axe "Kosum" {antimagic,
                  | rC+}.
 41724 | D:14     | 41724 ||| SWAPPING to +6 heavy broad axe.
 41725 | D:14     | 41725 ||| SWAPPING to +9 broad axe "Kosum" {antimagic,
                  | rC+}.
 41726 | D:14     | 41726 ||| SWAPPING to +6 heavy broad axe.
 41727 | D:14     | 41727 ||| SWAPPING to +9 broad axe "Kosum" {antimagic,
                  | rC+}.
 41728 | D:14     | 41728 ||| SWAPPING to +6 heavy broad axe.
 41729 | D:14     | 41729 ||| SWAPPING to +9 broad axe "Kosum" {antimagic,
                  | rC+}.
 41730 | D:14     | 41730 ||| SWAPPING to +6 heavy broad axe.
 41731 | D:14     | 41731 ||| SWAPPING to +9 broad axe "Kosum" {antimagic,
                  | rC+}.
 41732 | D:14     | 41732 ||| SWAPPING to +6 heavy broad axe.
 41733 | D:14     | 41733 ||| SWAPPING to +9 broad axe "Kosum" {antimagic,
                  | rC+}.
 41734 | D:14     | 41734 ||| SWAPPING to +6 heavy broad axe.
 41735 | D:14     | 41735 ||| SWAPPING to +9 broad axe "Kosum" {antimagic,
                  | rC+}.
 41736 | D:14     | 41736 ||| SWAPPING to +6 heavy broad axe.
 41737 | D:14     | 41737 ||| SWAPPING to +9 broad axe "Kosum" {antimagic,
                  | rC+}.
 41738 | D:14     | 41738 ||| SWAPPING to +6 heavy broad axe.
 41739 | D:14     | 41739 ||| SWAPPING to +9 broad axe "Kosum" {antimagic,
                  | rC+}.
 41740 | D:14     | 41740 ||| SWAPPING to +6 heavy broad axe.
 41741 | D:14     | 41741 ||| SWAPPING to +9 broad axe "Kosum" {antimagic,
                  | rC+}.
 41742 | D:14     | 41742 ||| SWAPPING to +6 heavy broad axe.
 41743 | D:14     | 41743 ||| SWAPPING to +9 broad axe "Kosum" {antimagic,
                  | rC+}.
 41744 | D:14     | 41744 ||| SWAPPING to +6 heavy broad axe.
 41745 | D:14     | 41745 ||| SWAPPING to +9 broad axe "Kosum" {antimagic,
                  | rC+}.
 41746 | D:14     | 41746 ||| SWAPPING to +6 heavy broad axe.
 41747 | D:14     | 41747 ||| SWAPPING to +9 broad axe "Kosum" {antimagic,
                  | rC+}.
 41748 | D:14     | 41748 ||| SWAPPING to +6 heavy broad axe.
 41749 | D:14     | 41749 ||| SWAPPING to +9 broad axe "Kosum" {antimagic,
                  | rC+}.
 41750 | D:14     | 41750 ||| SWAPPING to +6 heavy broad axe.
 41751 | D:14     | 41751 ||| SWAPPING to +9 broad axe "Kosum" {antimagic,
                  | rC+}.
 41752 | D:14     | 41752 ||| SWAPPING to +6 heavy broad axe.
 41753 | D:14     | 41753 ||| SWAPPING to +9 broad axe "Kosum" {antimagic,
                  | rC+}.
 41754 | D:14     | 41754 ||| SWAPPING to +6 heavy broad axe.
 41755 | D:14     | 41755 ||| SWAPPING to +9 broad axe "Kosum" {antimagic,
                  | rC+}.
 41756 | D:14     | 41756 ||| SWAPPING to +6 heavy broad axe.
 41757 | D:14     | 41757 ||| SWAPPING to +9 broad axe "Kosum" {antimagic,
                  | rC+}.
 41758 | D:14     | 41758 ||| SWAPPING to +6 heavy broad axe.
 41759 | D:14     | 41759 ||| SWAPPING to +9 broad axe "Kosum" {antimagic,
                  | rC+}.
 41760 | D:14     | 41760 ||| SWAPPING to +6 heavy broad axe.
 41761 | D:14     | 41761 ||| SWAPPING to +9 broad axe "Kosum" {antimagic,
                  | rC+}.
 41762 | D:14     | 41762 ||| SWAPPING to +6 heavy broad axe.
 41763 | D:14     | 41763 ||| SWAPPING to +9 broad axe "Kosum" {antimagic,
                  | rC+}.
 41764 | D:14     | 41764 ||| SWAPPING to +6 heavy broad axe.
 41765 | D:14     | 41765 ||| SWAPPING to +9 broad axe "Kosum" {antimagic,
                  | rC+}.
 41766 | D:14     | 41766 ||| SWAPPING to +6 heavy broad axe.
 41767 | D:14     | 41767 ||| SWAPPING to +9 broad axe "Kosum" {antimagic,
                  | rC+}.
 41768 | D:14     | 41768 ||| SWAPPING to +6 heavy broad axe.
 41769 | D:14     | 41769 ||| SWAPPING to +9 broad axe "Kosum" {antimagic,
                  | rC+}.
 41770 | D:14     | 41770 ||| SWAPPING to +6 heavy broad axe.
 41771 | D:14     | 41771 ||| SWAPPING to +9 broad axe "Kosum" {antimagic,
                  | rC+}.
 41772 | D:14     | 41772 ||| SWAPPING to +6 heavy broad axe.
 41773 | D:14     | 41773 ||| SWAPPING to +9 broad axe "Kosum" {antimagic,
                  | rC+}.
 41774 | D:14     | 41774 ||| SWAPPING to +6 heavy broad axe.
 41775 | D:14     | 41775 ||| SWAPPING to +9 broad axe "Kosum" {antimagic,
                  | rC+}.
 41776 | D:14     | 41776 ||| SWAPPING to +6 heavy broad axe.
 41777 | D:14     | 41777 ||| SWAPPING to +9 broad axe "Kosum" {antimagic,
                  | rC+}.
 41778 | D:14     | 41778 ||| SWAPPING to +6 heavy broad axe.
 41779 | D:14     | 41779 ||| SWAPPING to +9 broad axe "Kosum" {antimagic,
                  | rC+}.
 41780 | D:14     | 41780 ||| SWAPPING to +6 heavy broad axe.
 41781 | D:14     | 41781 ||| SWAPPING to +9 broad axe "Kosum" {antimagic,
                  | rC+}.
 41782 | D:14     | 41782 ||| SWAPPING to +6 heavy broad axe.
 41783 | D:14     | 41783 ||| SWAPPING to +9 broad axe "Kosum" {antimagic,
                  | rC+}.
 41784 | D:14     | 41784 ||| SWAPPING to +6 heavy broad axe.
 41785 | D:14     | 41785 ||| SWAPPING to +9 broad axe "Kosum" {antimagic,
                  | rC+}.
 41786 | D:14     | 41786 ||| SWAPPING to +6 heavy broad axe.
 41787 | D:14     | 41787 ||| SWAPPING to +9 broad axe "Kosum" {antimagic,
                  | rC+}.
 41788 | D:14     | 41788 ||| SWAPPING to +6 heavy broad axe.
 41789 | D:14     | 41789 ||| SWAPPING to +9 broad axe "Kosum" {antimagic,
                  | rC+}.
 41790 | D:14     | 41790 ||| SWAPPING to +6 heavy broad axe.
 41791 | D:14     | 41791 ||| SWAPPING to +9 broad axe "Kosum" {antimagic,
                  | rC+}.
 41792 | D:14     | 41792 ||| SWAPPING to +6 heavy broad axe.
 41793 | D:14     | 41793 ||| SWAPPING to +9 broad axe "Kosum" {antimagic,
                  | rC+}.
 41794 | D:14     | 41794 ||| SWAPPING to +6 heavy broad axe.
 41795 | D:14     | 41795 ||| SWAPPING to +9 broad axe "Kosum" {antimagic,
                  | rC+}.
 41796 | D:14     | 41796 ||| SWAPPING to +6 heavy broad axe.
 41797 | D:14     | 41797 ||| SWAPPING to +9 broad axe "Kosum" {antimagic,
                  | rC+}.
 41798 | D:14     | 41798 ||| SWAPPING to +6 heavy broad axe.
 41799 | D:14     | 41799 ||| SWAPPING to +9 broad axe "Kosum" {antimagic,
                  | rC+}.
 41800 | D:14     | 41800 ||| SWAPPING to +6 heavy broad axe.
 41801 | D:14     | 41801 ||| SWAPPING to +9 broad axe "Kosum" {antimagic,
                  | rC+}.
 41802 | D:14     | 41802 ||| SWAPPING to +6 heavy broad axe.
 41803 | D:14     | 41803 ||| SWAPPING to +9 broad axe "Kosum" {antimagic,
                  | rC+}.
 41804 | D:14     | 41804 ||| SWAPPING to +6 heavy broad axe.
 41805 | D:14     | 41805 ||| SWAPPING to +9 broad axe "Kosum" {antimagic,
                  | rC+}.
 41806 | D:14     | 41806 ||| SWAPPING to +6 heavy broad axe.
 41807 | D:14     | 41807 ||| SWAPPING to +9 broad axe "Kosum" {antimagic,
                  | rC+}.
 41808 | D:14     | 41808 ||| SWAPPING to +6 heavy broad axe.
 41809 | D:14     | 41809 ||| SWAPPING to +9 broad axe "Kosum" {antimagic,
                  | rC+}.
 41810 | D:14     | 41810 ||| SWAPPING to +6 heavy broad axe.
 41811 | D:14     | 41811 ||| SWAPPING to +9 broad axe "Kosum" {antimagic,
                  | rC+}.
 41812 | D:14     | 41812 ||| SWAPPING to +6 heavy broad axe.
 41813 | D:14     | 41813 ||| SWAPPING to +9 broad axe "Kosum" {antimagic,
                  | rC+}.
 41814 | D:14     | 41814 ||| SWAPPING to +6 heavy broad axe.
 41815 | D:14     | 41815 ||| SWAPPING to +9 broad axe "Kosum" {antimagic,
                  | rC+}.
 41816 | D:14     | 41816 ||| SWAPPING to +6 heavy broad axe.
 41817 | D:14     | 41817 ||| SWAPPING to +9 broad axe "Kosum" {antimagic,
                  | rC+}.
 41818 | D:14     | 41818 ||| SWAPPING to +6 heavy broad axe.
 41819 | D:14     | 41819 ||| SWAPPING to +9 broad axe "Kosum" {antimagic,
                  | rC+}.
 41820 | D:14     | 41820 ||| SWAPPING to +6 heavy broad axe.
 41821 | D:14     | 41821 ||| SWAPPING to +9 broad axe "Kosum" {antimagic,
                  | rC+}.
 41822 | D:14     | 41822 ||| SWAPPING to +6 heavy broad axe.
 41823 | D:14     | 41823 ||| SWAPPING to +9 broad axe "Kosum" {antimagic,
                  | rC+}.
 41824 | D:14     | 41824 ||| SWAPPING to +6 heavy broad axe.
 41825 | D:14     | 41825 ||| SWAPPING to +9 broad axe "Kosum" {antimagic,
                  | rC+}.
 41826 | D:14     | 41826 ||| SWAPPING to +6 heavy broad axe.
 41827 | D:14     | 41827 ||| SWAPPING to +9 broad axe "Kosum" {antimagic,
                  | rC+}.
 41828 | D:14     | 41828 ||| SWAPPING to +6 heavy broad axe.
 41829 | D:14     | 41829 ||| SWAPPING to +9 broad axe "Kosum" {antimagic,
                  | rC+}.
 41830 | D:14     | 41830 ||| SWAPPING to +6 heavy broad axe.
 41831 | D:14     | 41831 ||| SWAPPING to +9 broad axe "Kosum" {antimagic,
                  | rC+}.
 41832 | D:14     | 41832 ||| SWAPPING to +6 heavy broad axe.
 41833 | D:14     | 41833 ||| SWAPPING to +9 broad axe "Kosum" {antimagic,
                  | rC+}.
 41834 | D:14     | 41834 ||| SWAPPING to +6 heavy broad axe.
 41835 | D:14     | 41835 ||| SWAPPING to +9 broad axe "Kosum" {antimagic,
                  | rC+}.
 41836 | D:14     | 41836 ||| SWAPPING to +6 heavy broad axe.
 41837 | D:14     | 41837 ||| SWAPPING to +9 broad axe "Kosum" {antimagic,
                  | rC+}.
 41838 | D:14     | 41838 ||| SWAPPING to +6 heavy broad axe.
 41839 | D:14     | 41839 ||| SWAPPING to +9 broad axe "Kosum" {antimagic,
                  | rC+}.
 41840 | D:14     | 41840 ||| SWAPPING to +6 heavy broad axe.
 41841 | D:14     | 41841 ||| SWAPPING to +9 broad axe "Kosum" {antimagic,
                  | rC+}.
 41842 | D:14     | 41842 ||| SWAPPING to +6 heavy broad axe.
 41843 | D:14     | 41843 ||| SWAPPING to +9 broad axe "Kosum" {antimagic,
                  | rC+}.
 41844 | D:14     | 41844 ||| SWAPPING to +6 heavy broad axe.
 41845 | D:14     | 41845 ||| SWAPPING to +9 broad axe "Kosum" {antimagic,
                  | rC+}.
 41846 | D:14     | 41846 ||| SWAPPING to +6 heavy broad axe.
 41847 | D:14     | 41847 ||| SWAPPING to +9 broad axe "Kosum" {antimagic,
                  | rC+}.
 41848 | D:14     | 41848 ||| SWAPPING to +6 heavy broad axe.
 41849 | D:14     | 41849 ||| SWAPPING to +9 broad axe "Kosum" {antimagic,
                  | rC+}.
 41850 | D:14     | 41850 ||| SWAPPING to +6 heavy broad axe.
 41851 | D:14     | 41851 ||| SWAPPING to +9 broad axe "Kosum" {antimagic,
                  | rC+}.
 41852 | D:14     | 41852 ||| SWAPPING to +6 heavy broad axe.
 41853 | D:14     | 41853 ||| SWAPPING to +9 broad axe "Kosum" {antimagic,
                  | rC+}.
 41854 | D:14     | 41854 ||| SWAPPING to +6 heavy broad axe.
 41855 | D:14     | 41855 ||| SWAPPING to +9 broad axe "Kosum" {antimagic,
                  | rC+}.
 41856 | D:14     | 41856 ||| SWAPPING to +6 heavy broad axe.
 41857 | D:14     | 41857 ||| SWAPPING to +9 broad axe "Kosum" {antimagic,
                  | rC+}.
 41858 | D:14     | 41858 ||| SWAPPING to +6 heavy broad axe.
 41859 | D:14     | 41859 ||| SWAPPING to +9 broad axe "Kosum" {antimagic,
                  | rC+}.
 41860 | D:14     | 41860 ||| SWAPPING to +6 heavy broad axe.
 41861 | D:14     | 41861 ||| SWAPPING to +9 broad axe "Kosum" {antimagic,
                  | rC+}.
 41862 | D:14     | 41862 ||| SWAPPING to +6 heavy broad axe.
 41863 | D:14     | 41863 ||| SWAPPING to +9 broad axe "Kosum" {antimagic,
                  | rC+}.
 41864 | D:14     | 41864 ||| SWAPPING to +6 heavy broad axe.
 41865 | D:14     | 41865 ||| SWAPPING to +9 broad axe "Kosum" {antimagic,
                  | rC+}.
 41866 | D:14     | 41866 ||| SWAPPING to +6 heavy broad axe.
 41867 | D:14     | 41867 ||| SWAPPING to +9 broad axe "Kosum" {antimagic,
                  | rC+}.
 41868 | D:14     | 41868 ||| SWAPPING to +6 heavy broad axe.
 41869 | D:14     | 41869 ||| SWAPPING to +9 broad axe "Kosum" {antimagic,
                  | rC+}.
 41870 | D:14     | 41870 ||| SWAPPING to +6 heavy broad axe.
 41871 | D:14     | 41871 ||| SWAPPING to +9 broad axe "Kosum" {antimagic,
                  | rC+}.
 41872 | D:14     | 41872 ||| SWAPPING to +6 heavy broad axe.
 41873 | D:14     | 41873 ||| SWAPPING to +9 broad axe "Kosum" {antimagic,
                  | rC+}.
 41874 | D:14     | 41874 ||| SWAPPING to +6 heavy broad axe.
 41875 | D:14     | 41875 ||| SWAPPING to +9 broad axe "Kosum" {antimagic,
                  | rC+}.
 41876 | D:14     | 41876 ||| SWAPPING to +6 heavy broad axe.
 41877 | D:14     | 41877 ||| SWAPPING to +9 broad axe "Kosum" {antimagic,
                  | rC+}.
 41878 | D:14     | 41878 ||| SWAPPING to +6 heavy broad axe.
 41879 | D:14     | 41879 ||| SWAPPING to +9 broad axe "Kosum" {antimagic,
                  | rC+}.
 41880 | D:14     | 41880 ||| SWAPPING to +6 heavy broad axe.
 41881 | D:14     | 41881 ||| SWAPPING to +9 broad axe "Kosum" {antimagic,
                  | rC+}.
 41882 | D:14     | 41882 ||| SWAPPING to +6 heavy broad axe.
 41883 | D:14     | 41883 ||| SWAPPING to +9 broad axe "Kosum" {antimagic,
                  | rC+}.
 41884 | D:14     | 41884 ||| SWAPPING to +6 heavy broad axe.
 41885 | D:14     | 41885 ||| SWAPPING to +9 broad axe "Kosum" {antimagic,
                  | rC+}.
 41886 | D:14     | 41886 ||| SWAPPING to +6 heavy broad axe.
 41887 | D:14     | 41887 ||| SWAPPING to +9 broad axe "Kosum" {antimagic,
                  | rC+}.
 41888 | D:14     | 41888 ||| SWAPPING to +6 heavy broad axe.
 41889 | D:14     | 41889 ||| SWAPPING to +9 broad axe "Kosum" {antimagic,
                  | rC+}.
 41890 | D:14     | 41890 ||| SWAPPING to +6 heavy broad axe.
 41891 | D:14     | 41891 ||| SWAPPING to +9 broad axe "Kosum" {antimagic,
                  | rC+}.
 41892 | D:14     | 41892 ||| SWAPPING to +6 heavy broad axe.
 41893 | D:14     | 41893 ||| SWAPPING to +9 broad axe "Kosum" {antimagic,
                  | rC+}.
 41894 | D:14     | 41894 ||| SWAPPING to +6 heavy broad axe.
 41895 | D:14     | 41895 ||| SWAPPING to +9 broad axe "Kosum" {antimagic,
                  | rC+}.
 41896 | D:14     | 41896 ||| SWAPPING to +6 heavy broad axe.
 41897 | D:14     | 41897 ||| SWAPPING to +9 broad axe "Kosum" {antimagic,
                  | rC+}.
 41898 | D:14     | 41898 ||| SWAPPING to +6 heavy broad axe.
 41899 | D:14     | 41899 ||| SWAPPING to +9 broad axe "Kosum" {antimagic,
                  | rC+}.
 41900 | D:14     | 41900 ||| SWAPPING to +6 heavy broad axe.
 41901 | D:14     | 41901 ||| SWAPPING to +9 broad axe "Kosum" {antimagic,
                  | rC+}.
 41902 | D:14     | 41902 ||| SWAPPING to +6 heavy broad axe.
 41903 | D:14     | 41903 ||| SWAPPING to +9 broad axe "Kosum" {antimagic,
                  | rC+}.
 41904 | D:14     | 41904 ||| SWAPPING to +6 heavy broad axe.
 41905 | D:14     | 41905 ||| SWAPPING to +9 broad axe "Kosum" {antimagic,
                  | rC+}.
 41906 | D:14     | 41906 ||| SWAPPING to +6 heavy broad axe.
 41907 | D:14     | 41907 ||| SWAPPING to +9 broad axe "Kosum" {antimagic,
                  | rC+}.
 41908 | D:14     | 41908 ||| SWAPPING to +6 heavy broad axe.
 41909 | D:14     | 41909 ||| SWAPPING to +9 broad axe "Kosum" {antimagic,
                  | rC+}.
 41910 | D:14     | 41910 ||| SWAPPING to +6 heavy broad axe.
 41911 | D:14     | 41911 ||| SWAPPING to +9 broad axe "Kosum" {antimagic,
                  | rC+}.
 41912 | D:14     | 41912 ||| SWAPPING to +6 heavy broad axe.
 41913 | D:14     | 41913 ||| SWAPPING to +9 broad axe "Kosum" {antimagic,
                  | rC+}.
 41914 | D:14     | 41914 ||| SWAPPING to +6 heavy broad axe.
 41915 | D:14     | 41915 ||| SWAPPING to +9 broad axe "Kosum" {antimagic,
                  | rC+}.
 41916 | D:14     | 41916 ||| SWAPPING to +6 heavy broad axe.
 41917 | D:14     | 41917 ||| SWAPPING to +9 broad axe "Kosum" {antimagic,
                  | rC+}.
 41918 | D:14     | 41918 ||| SWAPPING to +6 heavy broad axe.
 41919 | D:14     | 41919 ||| SWAPPING to +9 broad axe "Kosum" {antimagic,
                  | rC+}.
 41920 | D:14     | 41920 ||| SWAPPING to +6 heavy broad axe.
 41921 | D:14     | 41921 ||| SWAPPING to +9 broad axe "Kosum" {antimagic,
                  | rC+}.
 41922 | D:14     | 41922 ||| SWAPPING to +6 heavy broad axe.
 41923 | D:14     | 41923 ||| SWAPPING to +9 broad axe "Kosum" {antimagic,
                  | rC+}.
 41924 | D:14     | 41924 ||| SWAPPING to +6 heavy broad axe.
 41925 | D:14     | 41925 ||| SWAPPING to +9 broad axe "Kosum" {antimagic,
                  | rC+}.
 41926 | D:14     | 41926 ||| SWAPPING to +6 heavy broad axe.
 41927 | D:14     | 41927 ||| SWAPPING to +9 broad axe "Kosum" {antimagic,
                  | rC+}.
 41928 | D:14     | 41928 ||| SWAPPING to +6 heavy broad axe.
 41929 | D:14     | 41929 ||| SWAPPING to +9 broad axe "Kosum" {antimagic,
                  | rC+}.
 41930 | D:14     | 41930 ||| SWAPPING to +6 heavy broad axe.
 41931 | D:14     | 41931 ||| SWAPPING to +9 broad axe "Kosum" {antimagic,
                  | rC+}.
 41932 | D:14     | 41932 ||| SWAPPING to +6 heavy broad axe.
 41933 | D:14     | 41933 ||| SWAPPING to +9 broad axe "Kosum" {antimagic,
                  | rC+}.
 41934 | D:14     | 41934 ||| SWAPPING to +6 heavy broad axe.
 41935 | D:14     | 41935 ||| SWAPPING to +9 broad axe "Kosum" {antimagic,
                  | rC+}.
 41936 | D:14     | 41936 ||| SWAPPING to +6 heavy broad axe.
 41937 | D:14     | 41937 ||| SWAPPING to +9 broad axe "Kosum" {antimagic,
                  | rC+}.
 41938 | D:14     | 41938 ||| SWAPPING to +6 heavy broad axe.
 41939 | D:14     | 41939 ||| SWAPPING to +9 broad axe "Kosum" {antimagic,
                  | rC+}.
 41940 | D:14     | 41940 ||| SWAPPING to +6 heavy broad axe.
 41941 | D:14     | 41941 ||| SWAPPING to +9 broad axe "Kosum" {antimagic,
                  | rC+}.
 41942 | D:14     | 41942 ||| SWAPPING to +6 heavy broad axe.
 41943 | D:14     | 41943 ||| SWAPPING to +9 broad axe "Kosum" {antimagic,
                  | rC+}.
 41944 | D:14     | 41944 ||| SWAPPING to +6 heavy broad axe.
 41945 | D:14     | 41945 ||| SWAPPING to +9 broad axe "Kosum" {antimagic,
                  | rC+}.
 41946 | D:14     | 41946 ||| SWAPPING to +6 heavy broad axe.
 41947 | D:14     | 41947 ||| SWAPPING to +9 broad axe "Kosum" {antimagic,
                  | rC+}.
 41948 | D:14     | 41948 ||| SWAPPING to +6 heavy broad axe.
 41949 | D:14     | 41949 ||| SWAPPING to +9 broad axe "Kosum" {antimagic,
                  | rC+}.
 41950 | D:14     | 41950 ||| SWAPPING to +6 heavy broad axe.
 41951 | D:14     | 41951 ||| SWAPPING to +9 broad axe "Kosum" {antimagic,
                  | rC+}.
 41952 | D:14     | 41952 ||| SWAPPING to +6 heavy broad axe.
 41953 | D:14     | 41953 ||| SWAPPING to +9 broad axe "Kosum" {antimagic,
                  | rC+}.
 41954 | D:14     | 41954 ||| SWAPPING to +6 heavy broad axe.
 41955 | D:14     | 41955 ||| SWAPPING to +9 broad axe "Kosum" {antimagic,
                  | rC+}.
 41956 | D:14     | 41956 ||| SWAPPING to +6 heavy broad axe.
 41957 | D:14     | 41957 ||| SWAPPING to +9 broad axe "Kosum" {antimagic,
                  | rC+}.
 41958 | D:14     | 41958 ||| SWAPPING to +6 heavy broad axe.
 41959 | D:14     | 41959 ||| SWAPPING to +9 broad axe "Kosum" {antimagic,
                  | rC+}.
 41960 | D:14     | 41960 ||| SWAPPING to +6 heavy broad axe.
 41961 | D:14     | 41961 ||| SWAPPING to +9 broad axe "Kosum" {antimagic,
                  | rC+}.
 41962 | D:14     | 41962 ||| SWAPPING to +6 heavy broad axe.
 41963 | D:14     | 41963 ||| SWAPPING to +9 broad axe "Kosum" {antimagic,
                  | rC+}.
 41964 | D:14     | 41964 ||| SWAPPING to +6 heavy broad axe.
 41965 | D:14     | 41965 ||| SWAPPING to +9 broad axe "Kosum" {antimagic,
                  | rC+}.
 41966 | D:14     | 41966 ||| SWAPPING to +6 heavy broad axe.
 41967 | D:14     | 41967 ||| SWAPPING to +9 broad axe "Kosum" {antimagic,
                  | rC+}.
 41968 | D:14     | 41968 ||| SWAPPING to +6 heavy broad axe.
 41969 | D:14     | 41969 ||| SWAPPING to +9 broad axe "Kosum" {antimagic,
                  | rC+}.
 41970 | D:14     | 41970 ||| SWAPPING to +6 heavy broad axe.
 41971 | D:14     | 41971 ||| SWAPPING to +9 broad axe "Kosum" {antimagic,
                  | rC+}.
 41972 | D:14     | 41972 ||| SWAPPING to +6 heavy broad axe.
 41973 | D:14     | 41973 ||| SWAPPING to +9 broad axe "Kosum" {antimagic,
                  | rC+}.
 41974 | D:14     | 41974 ||| SWAPPING to +6 heavy broad axe.
 41975 | D:14     | 41975 ||| SWAPPING to +9 broad axe "Kosum" {antimagic,
                  | rC+}.
 41976 | D:14     | 41976 ||| SWAPPING to +6 heavy broad axe.
 41977 | D:14     | 41977 ||| SWAPPING to +9 broad axe "Kosum" {antimagic,
                  | rC+}.
 41978 | D:14     | 41978 ||| SWAPPING to +6 heavy broad axe.
 41979 | D:14     | 41979 ||| SWAPPING to +9 broad axe "Kosum" {antimagic,
                  | rC+}.
 41980 | D:14     | 41980 ||| SWAPPING to +6 heavy broad axe.
 41981 | D:14     | 41981 ||| SWAPPING to +9 broad axe "Kosum" {antimagic,
                  | rC+}.
 41982 | D:14     | 41982 ||| SWAPPING to +6 heavy broad axe.
 41983 | D:14     | 41983 ||| SWAPPING to +9 broad axe "Kosum" {antimagic,
                  | rC+}.
 41984 | D:14     | 41984 ||| SWAPPING to +6 heavy broad axe.
 41985 | D:14     | 41985 ||| SWAPPING to +9 broad axe "Kosum" {antimagic,
                  | rC+}.
 41986 | D:14     | 41986 ||| SWAPPING to +6 heavy broad axe.
 41987 | D:14     | 41987 ||| SWAPPING to +9 broad axe "Kosum" {antimagic,
                  | rC+}.
 41988 | D:14     | 41988 ||| SWAPPING to +6 heavy broad axe.
 41989 | D:14     | 41989 ||| SWAPPING to +9 broad axe "Kosum" {antimagic,
                  | rC+}.
 41990 | D:14     | 41990 ||| SWAPPING to +6 heavy broad axe.
 41991 | D:14     | 41991 ||| SWAPPING to +9 broad axe "Kosum" {antimagic,
                  | rC+}.
 41992 | D:14     | 41992 ||| SWAPPING to +6 heavy broad axe.
 41993 | D:14     | 41993 ||| SWAPPING to +9 broad axe "Kosum" {antimagic,
                  | rC+}.
 41994 | D:14     | 41994 ||| SWAPPING to +6 heavy broad axe.
 41995 | D:14     | 41995 ||| SWAPPING to +9 broad axe "Kosum" {antimagic,
                  | rC+}.
 41996 | D:14     | 41996 ||| SWAPPING to +6 heavy broad axe.
 41997 | D:14     | 41997 ||| SWAPPING to +9 broad axe "Kosum" {antimagic,
                  | rC+}.
 41998 | D:14     | 41998 ||| SWAPPING to +6 heavy broad axe.
 41999 | D:14     | 41999 ||| SWAPPING to +9 broad axe "Kosum" {antimagic,
                  | rC+}.
 42000 | D:14     | 42000 ||| SWAPPING to +6 heavy broad axe.
 42001 | D:14     | 42001 ||| SWAPPING to +9 broad axe "Kosum" {antimagic,
                  | rC+}.
 42002 | D:14     | 42002 ||| SWAPPING to +6 heavy broad axe.
 42003 | D:14     | 42003 ||| SWAPPING to +9 broad axe "Kosum" {antimagic,
                  | rC+}.
 42004 | D:14     | 42004 ||| SWAPPING to +6 heavy broad axe.
 42005 | D:14     | 42005 ||| SWAPPING to +9 broad axe "Kosum" {antimagic,
                  | rC+}.
 42006 | D:14     | 42006 ||| SWAPPING to +6 heavy broad axe.
 42007 | D:14     | 42007 ||| SWAPPING to +9 broad axe "Kosum" {antimagic,
                  | rC+}.
 42008 | D:14     | 42008 ||| SWAPPING to +6 heavy broad axe.
 42009 | D:14     | 42009 ||| SWAPPING to +9 broad axe "Kosum" {antimagic,
                  | rC+}.
 42010 | D:14     | 42010 ||| SWAPPING to +6 heavy broad axe.
 42011 | D:14     | 42011 ||| SWAPPING to +9 broad axe "Kosum" {antimagic,
                  | rC+}.
 42012 | D:14     | 42012 ||| SWAPPING to +6 heavy broad axe.
 42013 | D:14     | 42013 ||| SWAPPING to +9 broad axe "Kosum" {antimagic,
                  | rC+}.
 42014 | D:14     | 42014 ||| SWAPPING to +6 heavy broad axe.
 42015 | D:14     | 42015 ||| SWAPPING to +9 broad axe "Kosum" {antimagic,
                  | rC+}.
 42016 | D:14     | 42016 ||| SWAPPING to +6 heavy broad axe.
 42017 | D:14     | 42017 ||| SWAPPING to +9 broad axe "Kosum" {antimagic,
                  | rC+}.
 42018 | D:14     | 42018 ||| SWAPPING to +6 heavy broad axe.
 42019 | D:14     | 42019 ||| SWAPPING to +9 broad axe "Kosum" {antimagic,
                  | rC+}.
 42020 | D:14     | 42020 ||| SWAPPING to +6 heavy broad axe.
 42021 | D:14     | 42021 ||| SWAPPING to +9 broad axe "Kosum" {antimagic,
                  | rC+}.
 42022 | D:14     | 42022 ||| SWAPPING to +6 heavy broad axe.
 42023 | D:14     | 42023 ||| SWAPPING to +9 broad axe "Kosum" {antimagic,
                  | rC+}.
 42024 | D:14     | 42024 ||| SWAPPING to +6 heavy broad axe.
 42025 | D:14     | 42025 ||| SWAPPING to +9 broad axe "Kosum" {antimagic,
                  | rC+}.
 42026 | D:14     | 42026 ||| SWAPPING to +6 heavy broad axe.
 42027 | D:14     | 42027 ||| SWAPPING to +9 broad axe "Kosum" {antimagic,
                  | rC+}.
 42028 | D:14     | 42028 ||| SWAPPING to +6 heavy broad axe.
 42029 | D:14     | 42029 ||| SWAPPING to +9 broad axe "Kosum" {antimagic,
                  | rC+}.
 42030 | D:14     | 42030 ||| SWAPPING to +6 heavy broad axe.
 42031 | D:14     | 42031 ||| SWAPPING to +9 broad axe "Kosum" {antimagic,
                  | rC+}.
 42032 | D:14     | 42032 ||| SWAPPING to +6 heavy broad axe.
 42033 | D:14     | 42033 ||| SWAPPING to +9 broad axe "Kosum" {antimagic,
                  | rC+}.
 42034 | D:14     | 42034 ||| SWAPPING to +6 heavy broad axe.
 42035 | D:14     | 42035 ||| SWAPPING to +9 broad axe "Kosum" {antimagic,
                  | rC+}.
 42036 | D:14     | 42036 ||| SWAPPING to +6 heavy broad axe.
 42037 | D:14     | 42037 ||| SWAPPING to +9 broad axe "Kosum" {antimagic,
                  | rC+}.
 42038 | D:14     | 42038 ||| SWAPPING to +6 heavy broad axe.
 42039 | D:14     | 42039 ||| SWAPPING to +9 broad axe "Kosum" {antimagic,
                  | rC+}.
 42040 | D:14     | 42040 ||| SWAPPING to +6 heavy broad axe.
 42041 | D:14     | 42041 ||| SWAPPING to +9 broad axe "Kosum" {antimagic,
                  | rC+}.
 42042 | D:14     | 42042 ||| SWAPPING to +6 heavy broad axe.
 42043 | D:14     | 42043 ||| SWAPPING to +9 broad axe "Kosum" {antimagic,
                  | rC+}.
 42044 | D:14     | 42044 ||| SWAPPING to +6 heavy broad axe.
 42045 | D:14     | 42045 ||| SWAPPING to +9 broad axe "Kosum" {antimagic,
                  | rC+}.
 42046 | D:14     | 42046 ||| SWAPPING to +6 heavy broad axe.
 42047 | D:14     | 42047 ||| SWAPPING to +9 broad axe "Kosum" {antimagic,
                  | rC+}.
 42048 | D:14     | 42048 ||| SWAPPING to +6 heavy broad axe.
 42049 | D:14     | 42049 ||| SWAPPING to +9 broad axe "Kosum" {antimagic,
                  | rC+}.
 42050 | D:14     | 42050 ||| SWAPPING to +6 heavy broad axe.
 42051 | D:14     | 42051 ||| SWAPPING to +9 broad axe "Kosum" {antimagic,
                  | rC+}.
 42052 | D:14     | 42052 ||| SWAPPING to +6 heavy broad axe.
 42053 | D:14     | 42053 ||| SWAPPING to +9 broad axe "Kosum" {antimagic,
                  | rC+}.
 42054 | D:14     | 42054 ||| SWAPPING to +6 heavy broad axe.
 42055 | D:14     | 42055 ||| SWAPPING to +9 broad axe "Kosum" {antimagic,
                  | rC+}.
 42056 | D:14     | 42056 ||| SWAPPING to +6 heavy broad axe.
 42057 | D:14     | 42057 ||| SWAPPING to +9 broad axe "Kosum" {antimagic,
                  | rC+}.
 42058 | D:14     | 42058 ||| SWAPPING to +6 heavy broad axe.
 42059 | D:14     | 42059 ||| SWAPPING to +9 broad axe "Kosum" {antimagic,
                  | rC+}.
 42060 | D:14     | 42060 ||| SWAPPING to +6 heavy broad axe.
 42061 | D:14     | 42061 ||| SWAPPING to +9 broad axe "Kosum" {antimagic,
                  | rC+}.
 42062 | D:14     | 42062 ||| SWAPPING to +6 heavy broad axe.
 42063 | D:14     | 42063 ||| SWAPPING to +9 broad axe "Kosum" {antimagic,
                  | rC+}.
 42064 | D:14     | 42064 ||| SWAPPING to +6 heavy broad axe.
 42065 | D:14     | 42065 ||| SWAPPING to +9 broad axe "Kosum" {antimagic,
                  | rC+}.
 42066 | D:14     | 42066 ||| SWAPPING to +6 heavy broad axe.
 42067 | D:14     | 42067 ||| SWAPPING to +9 broad axe "Kosum" {antimagic,
                  | rC+}.
 42068 | D:14     | 42068 ||| SWAPPING to +6 heavy broad axe.
 42069 | D:14     | 42069 ||| SWAPPING to +9 broad axe "Kosum" {antimagic,
                  | rC+}.
 42070 | D:14     | 42070 ||| SWAPPING to +6 heavy broad axe.
 42071 | D:14     | 42071 ||| SWAPPING to +9 broad axe "Kosum" {antimagic,
                  | rC+}.
 42072 | D:14     | 42072 ||| SWAPPING to +6 heavy broad axe.
 42073 | D:14     | 42073 ||| SWAPPING to +9 broad axe "Kosum" {antimagic,
                  | rC+}.
 42074 | D:14     | 42074 ||| SWAPPING to +6 heavy broad axe.
 42075 | D:14     | 42075 ||| SWAPPING to +9 broad axe "Kosum" {antimagic,
                  | rC+}.
 42076 | D:14     | 42076 ||| SWAPPING to +6 heavy broad axe.
 42077 | D:14     | 42077 ||| SWAPPING to +9 broad axe "Kosum" {antimagic,
                  | rC+}.
 42078 | D:14     | 42078 ||| SWAPPING to +6 heavy broad axe.
 42079 | D:14     | 42079 ||| SWAPPING to +9 broad axe "Kosum" {antimagic,
                  | rC+}.
 42080 | D:14     | 42080 ||| SWAPPING to +6 heavy broad axe.
 42081 | D:14     | 42081 ||| SWAPPING to +9 broad axe "Kosum" {antimagic,
                  | rC+}.
 42082 | D:14     | 42082 ||| SWAPPING to +6 heavy broad axe.
 42083 | D:14     | 42083 ||| SWAPPING to +9 broad axe "Kosum" {antimagic,
                  | rC+}.
 42084 | D:14     | 42084 ||| SWAPPING to +6 heavy broad axe.
 42085 | D:14     | 42085 ||| SWAPPING to +9 broad axe "Kosum" {antimagic,
                  | rC+}.
 42086 | D:14     | 42086 ||| SWAPPING to +6 heavy broad axe.
 42087 | D:14     | 42087 ||| SWAPPING to +9 broad axe "Kosum" {antimagic,
                  | rC+}.
 42088 | D:14     | 42088 ||| SWAPPING to +6 heavy broad axe.
 42089 | D:14     | 42089 ||| SWAPPING to +9 broad axe "Kosum" {antimagic,
                  | rC+}.
 42090 | D:14     | 42090 ||| SWAPPING to +6 heavy broad axe.
 42091 | D:14     | 42091 ||| SWAPPING to +9 broad axe "Kosum" {antimagic,
                  | rC+}.
 42092 | D:14     | 42092 ||| SWAPPING to +6 heavy broad axe.
 42093 | D:14     | 42093 ||| SWAPPING to +9 broad axe "Kosum" {antimagic,
                  | rC+}.
 42094 | D:14     | 42094 ||| SWAPPING to +6 heavy broad axe.
 42095 | D:14     | 42095 ||| SWAPPING to +9 broad axe "Kosum" {antimagic,
                  | rC+}.
 42096 | D:14     | 42096 ||| SWAPPING to +6 heavy broad axe.
 42097 | D:14     | 42097 ||| SWAPPING to +9 broad axe "Kosum" {antimagic,
                  | rC+}.
 42098 | D:14     | 42098 ||| SWAPPING to +6 heavy broad axe.
 42099 | D:14     | 42099 ||| SWAPPING to +9 broad axe "Kosum" {antimagic,
                  | rC+}.
 42100 | D:14     | 42100 ||| SWAPPING to +6 heavy broad axe.
 42101 | D:14     | 42101 ||| SWAPPING to +9 broad axe "Kosum" {antimagic,
                  | rC+}.
 42102 | D:14     | 42102 ||| SWAPPING to +6 heavy broad axe.
 42103 | D:14     | 42103 ||| SWAPPING to +9 broad axe "Kosum" {antimagic,
                  | rC+}.
 42104 | D:14     | 42104 ||| SWAPPING to +6 heavy broad axe.
 42105 | D:14     | 42105 ||| SWAPPING to +9 broad axe "Kosum" {antimagic,
                  | rC+}.
 42106 | D:14     | 42106 ||| SWAPPING to +6 heavy broad axe.
 42107 | D:14     | 42107 ||| SWAPPING to +9 broad axe "Kosum" {antimagic,
                  | rC+}.
 42108 | D:14     | 42108 ||| SWAPPING to +6 heavy broad axe.
 42109 | D:14     | 42109 ||| SWAPPING to +9 broad axe "Kosum" {antimagic,
                  | rC+}.
 42110 | D:14     | 42110 ||| SWAPPING to +6 heavy broad axe.
 42111 | D:14     | 42111 ||| SWAPPING to +9 broad axe "Kosum" {antimagic,
                  | rC+}.
 42112 | D:14     | 42112 ||| SWAPPING to +6 heavy broad axe.
 42113 | D:14     | 42113 ||| SWAPPING to +9 broad axe "Kosum" {antimagic,
                  | rC+}.
 42114 | D:14     | 42114 ||| SWAPPING to +6 heavy broad axe.
 42115 | D:14     | 42115 ||| SWAPPING to +9 broad axe "Kosum" {antimagic,
                  | rC+}.
 42116 | D:14     | 42116 ||| SWAPPING to +6 heavy broad axe.
 42117 | D:14     | 42117 ||| SWAPPING to +9 broad axe "Kosum" {antimagic,
                  | rC+}.
 42118 | D:14     | 42118 ||| SWAPPING to +6 heavy broad axe.
 42119 | D:14     | 42119 ||| SWAPPING to +9 broad axe "Kosum" {antimagic,
                  | rC+}.
 42120 | D:14     | 42120 ||| SWAPPING to +6 heavy broad axe.
 42121 | D:14     | 42121 ||| SWAPPING to +9 broad axe "Kosum" {antimagic,
                  | rC+}.
 42122 | D:14     | 42122 ||| SWAPPING to +6 heavy broad axe.
 42123 | D:14     | 42123 ||| SWAPPING to +9 broad axe "Kosum" {antimagic,
                  | rC+}.
 42124 | D:14     | 42124 ||| SWAPPING to +6 heavy broad axe.
 42125 | D:14     | 42125 ||| SWAPPING to +9 broad axe "Kosum" {antimagic,
                  | rC+}.
 42126 | D:14     | 42126 ||| SWAPPING to +6 heavy broad axe.
 42127 | D:14     | 42127 ||| SWAPPING to +9 broad axe "Kosum" {antimagic,
                  | rC+}.
 42128 | D:14     | 42128 ||| SWAPPING to +6 heavy broad axe.
 42129 | D:14     | 42129 ||| SWAPPING to +9 broad axe "Kosum" {antimagic,
                  | rC+}.
 42130 | D:14     | 42130 ||| SWAPPING to +6 heavy broad axe.
 42131 | D:14     | 42131 ||| SWAPPING to +9 broad axe "Kosum" {antimagic,
                  | rC+}.
 42132 | D:14     | 42132 ||| SWAPPING to +6 heavy broad axe.
 42133 | D:14     | 42133 ||| SWAPPING to +9 broad axe "Kosum" {antimagic,
                  | rC+}.
 42134 | D:14     | 42134 ||| SWAPPING to +6 heavy broad axe.
 42135 | D:14     | 42135 ||| SWAPPING to +9 broad axe "Kosum" {antimagic,
                  | rC+}.
 42136 | D:14     | 42136 ||| SWAPPING to +6 heavy broad axe.
 42137 | D:14     | 42137 ||| SWAPPING to +9 broad axe "Kosum" {antimagic,
                  | rC+}.
 42138 | D:14     | 42138 ||| SWAPPING to +6 heavy broad axe.
 42139 | D:14     | 42139 ||| SWAPPING to +9 broad axe "Kosum" {antimagic,
                  | rC+}.
 42140 | D:14     | 42140 ||| SWAPPING to +6 heavy broad axe.
 42141 | D:14     | 42141 ||| SWAPPING to +9 broad axe "Kosum" {antimagic,
                  | rC+}.
 42142 | D:14     | 42142 ||| SWAPPING to +6 heavy broad axe.
 42143 | D:14     | 42143 ||| SWAPPING to +9 broad axe "Kosum" {antimagic,
                  | rC+}.
 42144 | D:14     | 42144 ||| SWAPPING to +6 heavy broad axe.
 42145 | D:14     | 42145 ||| SWAPPING to +9 broad axe "Kosum" {antimagic,
                  | rC+}.
 42146 | D:14     | 42146 ||| SWAPPING to +6 heavy broad axe.
 42147 | D:14     | 42147 ||| SWAPPING to +9 broad axe "Kosum" {antimagic,
                  | rC+}.
 42148 | D:14     | 42148 ||| SWAPPING to +6 heavy broad axe.
 42149 | D:14     | 42149 ||| SWAPPING to +9 broad axe "Kosum" {antimagic,
                  | rC+}.
 42150 | D:14     | 42150 ||| SWAPPING to +6 heavy broad axe.
 42151 | D:14     | 42151 ||| SWAPPING to +9 broad axe "Kosum" {antimagic,
                  | rC+}.
 42152 | D:14     | 42152 ||| SWAPPING to +6 heavy broad axe.
 42153 | D:14     | 42153 ||| SWAPPING to +9 broad axe "Kosum" {antimagic,
                  | rC+}.
 42154 | D:14     | 42154 ||| SWAPPING to +6 heavy broad axe.
 42155 | D:14     | 42155 ||| SWAPPING to +9 broad axe "Kosum" {antimagic,
                  | rC+}.
 42156 | D:14     | 42156 ||| SWAPPING to +6 heavy broad axe.
 42157 | D:14     | 42157 ||| SWAPPING to +9 broad axe "Kosum" {antimagic,
                  | rC+}.
 42158 | D:14     | 42158 ||| SWAPPING to +6 heavy broad axe.
 42159 | D:14     | 42159 ||| SWAPPING to +9 broad axe "Kosum" {antimagic,
                  | rC+}.
 42160 | D:14     | 42160 ||| SWAPPING to +6 heavy broad axe.
 42161 | D:14     | 42161 ||| SWAPPING to +9 broad axe "Kosum" {antimagic,
                  | rC+}.
 42162 | D:14     | 42162 ||| SWAPPING to +6 heavy broad axe.
 42163 | D:14     | 42163 ||| SWAPPING to +9 broad axe "Kosum" {antimagic,
                  | rC+}.
 42164 | D:14     | 42164 ||| SWAPPING to +6 heavy broad axe.
 42165 | D:14     | 42165 ||| SWAPPING to +9 broad axe "Kosum" {antimagic,
                  | rC+}.
 42166 | D:14     | 42166 ||| SWAPPING to +6 heavy broad axe.
 42167 | D:14     | 42167 ||| SWAPPING to +9 broad axe "Kosum" {antimagic,
                  | rC+}.
 42168 | D:14     | 42168 ||| SWAPPING to +6 heavy broad axe.
 42169 | D:14     | 42169 ||| SWAPPING to +9 broad axe "Kosum" {antimagic,
                  | rC+}.
 42170 | D:14     | 42170 ||| SWAPPING to +6 heavy broad axe.
 42171 | D:14     | 42171 ||| SWAPPING to +9 broad axe "Kosum" {antimagic,
                  | rC+}.
 42172 | D:14     | 42172 ||| SWAPPING to +6 heavy broad axe.
 42173 | D:14     | 42173 ||| SWAPPING to +9 broad axe "Kosum" {antimagic,
                  | rC+}.
 42174 | D:14     | 42174 ||| SWAPPING to +6 heavy broad axe.
 42175 | D:14     | 42175 ||| SWAPPING to +9 broad axe "Kosum" {antimagic,
                  | rC+}.
 42176 | D:14     | 42176 ||| SWAPPING to +6 heavy broad axe.
 42177 | D:14     | 42177 ||| SWAPPING to +9 broad axe "Kosum" {antimagic,
                  | rC+}.
 42178 | D:14     | 42178 ||| SWAPPING to +6 heavy broad axe.
 42179 | D:14     | 42179 ||| SWAPPING to +9 broad axe "Kosum" {antimagic,
                  | rC+}.
 42180 | D:14     | 42180 ||| SWAPPING to +6 heavy broad axe.
 42181 | D:14     | 42181 ||| SWAPPING to +9 broad axe "Kosum" {antimagic,
                  | rC+}.
 42182 | D:14     | 42182 ||| SWAPPING to +6 heavy broad axe.
 42183 | D:14     | 42183 ||| SWAPPING to +9 broad axe "Kosum" {antimagic,
                  | rC+}.
 42184 | D:14     | 42184 ||| SWAPPING to +6 heavy broad axe.
 42185 | D:14     | 42185 ||| SWAPPING to +9 broad axe "Kosum" {antimagic,
                  | rC+}.
 42186 | D:14     | 42186 ||| SWAPPING to +6 heavy broad axe.
 42187 | D:14     | 42187 ||| SWAPPING to +9 broad axe "Kosum" {antimagic,
                  | rC+}.
 42188 | D:14     | 42188 ||| SWAPPING to +6 heavy broad axe.
 42189 | D:14     | 42189 ||| SWAPPING to +9 broad axe "Kosum" {antimagic,
                  | rC+}.
 42190 | D:14     | 42190 ||| SWAPPING to +6 heavy broad axe.
 42191 | D:14     | 42191 ||| SWAPPING to +9 broad axe "Kosum" {antimagic,
                  | rC+}.
 42192 | D:14     | 42192 ||| SWAPPING to +6 heavy broad axe.
 42193 | D:14     | 42193 ||| SWAPPING to +9 broad axe "Kosum" {antimagic,
                  | rC+}.
 42194 | D:14     | 42194 ||| SWAPPING to +6 heavy broad axe.
 42195 | D:14     | 42195 ||| SWAPPING to +9 broad axe "Kosum" {antimagic,
                  | rC+}.
 42196 | D:14     | 42196 ||| SWAPPING to +6 heavy broad axe.
 42197 | D:14     | 42197 ||| SWAPPING to +9 broad axe "Kosum" {antimagic,
                  | rC+}.
 42198 | D:14     | 42198 ||| SWAPPING to +6 heavy broad axe.
 42199 | D:14     | 42199 ||| SWAPPING to +9 broad axe "Kosum" {antimagic,
                  | rC+}.
 42200 | D:14     | 42200 ||| SWAPPING to +6 heavy broad axe.
 42201 | D:14     | 42201 ||| SWAPPING to +9 broad axe "Kosum" {antimagic,
                  | rC+}.
 42202 | D:14     | 42202 ||| SWAPPING to +6 heavy broad axe.
 42203 | D:14     | 42203 ||| SWAPPING to +9 broad axe "Kosum" {antimagic,
                  | rC+}.
 42204 | D:14     | 42204 ||| SWAPPING to +6 heavy broad axe.
 42205 | D:14     | 42205 ||| SWAPPING to +9 broad axe "Kosum" {antimagic,
                  | rC+}.
 42206 | D:14     | 42206 ||| SWAPPING to +6 heavy broad axe.
 42207 | D:14     | 42207 ||| SWAPPING to +9 broad axe "Kosum" {antimagic,
                  | rC+}.
 42208 | D:14     | 42208 ||| SWAPPING to +6 heavy broad axe.
 42209 | D:14     | 42209 ||| SWAPPING to +9 broad axe "Kosum" {antimagic,
                  | rC+}.
 42210 | D:14     | 42210 ||| SWAPPING to +6 heavy broad axe.
 42211 | D:14     | 42211 ||| SWAPPING to +9 broad axe "Kosum" {antimagic,
                  | rC+}.
 42212 | D:14     | 42212 ||| SWAPPING to +6 heavy broad axe.
 42213 | D:14     | 42213 ||| SWAPPING to +9 broad axe "Kosum" {antimagic,
                  | rC+}.
 42214 | D:14     | 42214 ||| SWAPPING to +6 heavy broad axe.
 42215 | D:14     | 42215 ||| SWAPPING to +9 broad axe "Kosum" {antimagic,
                  | rC+}.
 42216 | D:14     | 42216 ||| SWAPPING to +6 heavy broad axe.
 42217 | D:14     | 42217 ||| SWAPPING to +9 broad axe "Kosum" {antimagic,
                  | rC+}.
 42218 | D:14     | 42218 ||| SWAPPING to +6 heavy broad axe.
 42219 | D:14     | 42219 ||| SWAPPING to +9 broad axe "Kosum" {antimagic,
                  | rC+}.
 42220 | D:14     | 42220 ||| SWAPPING to +6 heavy broad axe.
 42221 | D:14     | 42221 ||| SWAPPING to +9 broad axe "Kosum" {antimagic,
                  | rC+}.
 42222 | D:14     | 42222 ||| SWAPPING to +6 heavy broad axe.
 42223 | D:14     | 42223 ||| SWAPPING to +9 broad axe "Kosum" {antimagic,
                  | rC+}.
 42224 | D:14     | 42224 ||| SWAPPING to +6 heavy broad axe.
 42225 | D:14     | 42225 ||| SWAPPING to +9 broad axe "Kosum" {antimagic,
                  | rC+}.
 42226 | D:14     | 42226 ||| SWAPPING to +6 heavy broad axe.
 42227 | D:14     | 42227 ||| SWAPPING to +9 broad axe "Kosum" {antimagic,
                  | rC+}.
 42228 | D:14     | 42228 ||| SWAPPING to +6 heavy broad axe.
 42229 | D:14     | 42229 ||| SWAPPING to +9 broad axe "Kosum" {antimagic,
                  | rC+}.
 42230 | D:14     | 42230 ||| SWAPPING to +6 heavy broad axe.
 42231 | D:14     | 42231 ||| SWAPPING to +9 broad axe "Kosum" {antimagic,
                  | rC+}.
 42232 | D:14     | 42232 ||| SWAPPING to +6 heavy broad axe.
 42233 | D:14     | 42233 ||| SWAPPING to +9 broad axe "Kosum" {antimagic,
                  | rC+}.
 42234 | D:14     | 42234 ||| SWAPPING to +6 heavy broad axe.
 42235 | D:14     | 42235 ||| SWAPPING to +9 broad axe "Kosum" {antimagic,
                  | rC+}.
 42236 | D:14     | 42236 ||| SWAPPING to +6 heavy broad axe.
 42237 | D:14     | 42237 ||| SWAPPING to +9 broad axe "Kosum" {antimagic,
                  | rC+}.
 42238 | D:14     | 42238 ||| SWAPPING to +6 heavy broad axe.
 42239 | D:14     | 42239 ||| SWAPPING to +9 broad axe "Kosum" {antimagic,
                  | rC+}.
 42240 | D:14     | 42240 ||| SWAPPING to +6 heavy broad axe.
 42241 | D:14     | 42241 ||| SWAPPING to +9 broad axe "Kosum" {antimagic,
                  | rC+}.
 42242 | D:14     | 42242 ||| SWAPPING to +6 heavy broad axe.
 42243 | D:14     | 42243 ||| SWAPPING to +9 broad axe "Kosum" {antimagic,
                  | rC+}.
 42244 | D:14     | 42244 ||| SWAPPING to +6 heavy broad axe.
 42245 | D:14     | 42245 ||| SWAPPING to +9 broad axe "Kosum" {antimagic,
                  | rC+}.
 42246 | D:14     | 42246 ||| SWAPPING to +6 heavy broad axe.
 42247 | D:14     | 42247 ||| SWAPPING to +9 broad axe "Kosum" {antimagic,
                  | rC+}.
 42248 | D:14     | 42248 ||| SWAPPING to +6 heavy broad axe.
 42249 | D:14     | 42249 ||| SWAPPING to +9 broad axe "Kosum" {antimagic,
                  | rC+}.
 42250 | D:14     | 42250 ||| SWAPPING to +6 heavy broad axe.
 42251 | D:14     | 42251 ||| SWAPPING to +9 broad axe "Kosum" {antimagic,
                  | rC+}.
 42252 | D:14     | 42252 ||| SWAPPING to +6 heavy broad axe.
 42253 | D:14     | 42253 ||| SWAPPING to +9 broad axe "Kosum" {antimagic,
                  | rC+}.
 42254 | D:14     | 42254 ||| SWAPPING to +6 heavy broad axe.
 42255 | D:14     | 42255 ||| SWAPPING to +9 broad axe "Kosum" {antimagic,
                  | rC+}.
 42256 | D:14     | 42256 ||| SWAPPING to +6 heavy broad axe.
 42257 | D:14     | 42257 ||| SWAPPING to +9 broad axe "Kosum" {antimagic,
                  | rC+}.
 42258 | D:14     | 42258 ||| SWAPPING to +6 heavy broad axe.
 42259 | D:14     | 42259 ||| SWAPPING to +9 broad axe "Kosum" {antimagic,
                  | rC+}.
 42260 | D:14     | 42260 ||| SWAPPING to +6 heavy broad axe.
 42261 | D:14     | 42261 ||| SWAPPING to +9 broad axe "Kosum" {antimagic,
                  | rC+}.
 42262 | D:14     | 42262 ||| SWAPPING to +6 heavy broad axe.
 42263 | D:14     | 42263 ||| SWAPPING to +9 broad axe "Kosum" {antimagic,
                  | rC+}.
 42264 | D:14     | 42264 ||| SWAPPING to +6 heavy broad axe.
 42265 | D:14     | 42265 ||| SWAPPING to +9 broad axe "Kosum" {antimagic,
                  | rC+}.
 42266 | D:14     | 42266 ||| SWAPPING to +6 heavy broad axe.
 42267 | D:14     | 42267 ||| SWAPPING to +9 broad axe "Kosum" {antimagic,
                  | rC+}.
 42268 | D:14     | 42268 ||| SWAPPING to +6 heavy broad axe.
 42269 | D:14     | 42269 ||| SWAPPING to +9 broad axe "Kosum" {antimagic,
                  | rC+}.
 42270 | D:14     | 42270 ||| SWAPPING to +6 heavy broad axe.
 42271 | D:14     | 42271 ||| SWAPPING to +9 broad axe "Kosum" {antimagic,
                  | rC+}.
 42272 | D:14     | 42272 ||| SWAPPING to +6 heavy broad axe.
 42273 | D:14     | 42273 ||| SWAPPING to +9 broad axe "Kosum" {antimagic,
                  | rC+}.
 42274 | D:14     | 42274 ||| SWAPPING to +6 heavy broad axe.
 42275 | D:14     | 42275 ||| SWAPPING to +9 broad axe "Kosum" {antimagic,
                  | rC+}.
 42276 | D:14     | 42276 ||| SWAPPING to +6 heavy broad axe.
 42277 | D:14     | 42277 ||| SWAPPING to +9 broad axe "Kosum" {antimagic,
                  | rC+}.
 42278 | D:14     | 42278 ||| SWAPPING to +6 heavy broad axe.
 42279 | D:14     | 42279 ||| SWAPPING to +9 broad axe "Kosum" {antimagic,
                  | rC+}.
 42280 | D:14     | 42280 ||| SWAPPING to +6 heavy broad axe.
 42281 | D:14     | 42281 ||| SWAPPING to +9 broad axe "Kosum" {antimagic,
                  | rC+}.
 42282 | D:14     | 42282 ||| SWAPPING to +6 heavy broad axe.
 42283 | D:14     | 42283 ||| SWAPPING to +9 broad axe "Kosum" {antimagic,
                  | rC+}.
 42284 | D:14     | 42284 ||| SWAPPING to +6 heavy broad axe.
 42285 | D:14     | 42285 ||| SWAPPING to +9 broad axe "Kosum" {antimagic,
                  | rC+}.
 42286 | D:14     | 42286 ||| SWAPPING to +6 heavy broad axe.
 42287 | D:14     | 42287 ||| SWAPPING to +9 broad axe "Kosum" {antimagic,
                  | rC+}.
 42288 | D:14     | 42288 ||| SWAPPING to +6 heavy broad axe.
 42289 | D:14     | 42289 ||| SWAPPING to +9 broad axe "Kosum" {antimagic,
                  | rC+}.
 42290 | D:14     | 42290 ||| SWAPPING to +6 heavy broad axe.
 42291 | D:14     | 42291 ||| SWAPPING to +9 broad axe "Kosum" {antimagic,
                  | rC+}.
 42292 | D:14     | 42292 ||| SWAPPING to +6 heavy broad axe.
 42293 | D:14     | 42293 ||| SWAPPING to +9 broad axe "Kosum" {antimagic,
                  | rC+}.
 42294 | D:14     | 42294 ||| SWAPPING to +6 heavy broad axe.
 42295 | D:14     | 42295 ||| SWAPPING to +9 broad axe "Kosum" {antimagic,
                  | rC+}.
 42296 | D:14     | 42296 ||| SWAPPING to +6 heavy broad axe.
 42297 | D:14     | 42297 ||| SWAPPING to +9 broad axe "Kosum" {antimagic,
                  | rC+}.
 42298 | D:14     | 42298 ||| SWAPPING to +6 heavy broad axe.
 42299 | D:14     | 42299 ||| SWAPPING to +9 broad axe "Kosum" {antimagic,
                  | rC+}.
 42300 | D:14     | 42300 ||| SWAPPING to +6 heavy broad axe.
 42301 | D:14     | 42301 ||| SWAPPING to +9 broad axe "Kosum" {antimagic,
                  | rC+}.
 42302 | D:14     | 42302 ||| SWAPPING to +6 heavy broad axe.
 42303 | D:14     | 42303 ||| SWAPPING to +9 broad axe "Kosum" {antimagic,
                  | rC+}.
 42304 | D:14     | 42304 ||| SWAPPING to +6 heavy broad axe.
 42305 | D:14     | 42305 ||| SWAPPING to +9 broad axe "Kosum" {antimagic,
                  | rC+}.
 42306 | D:14     | 42306 ||| SWAPPING to +6 heavy broad axe.
 42307 | D:14     | 42307 ||| SWAPPING to +9 broad axe "Kosum" {antimagic,
                  | rC+}.
 42308 | D:14     | 42308 ||| SWAPPING to +6 heavy broad axe.
 42309 | D:14     | 42309 ||| SWAPPING to +9 broad axe "Kosum" {antimagic,
                  | rC+}.
 42310 | D:14     | 42310 ||| SWAPPING to +6 heavy broad axe.
 42311 | D:14     | 42311 ||| SWAPPING to +9 broad axe "Kosum" {antimagic,
                  | rC+}.
 42312 | D:14     | 42312 ||| SWAPPING to +6 heavy broad axe.
 42313 | D:14     | 42313 ||| SWAPPING to +9 broad axe "Kosum" {antimagic,
                  | rC+}.
 42314 | D:14     | 42314 ||| SWAPPING to +6 heavy broad axe.
 42315 | D:14     | 42315 ||| SWAPPING to +9 broad axe "Kosum" {antimagic,
                  | rC+}.
 42316 | D:14     | 42316 ||| SWAPPING to +6 heavy broad axe.
 42317 | D:14     | 42317 ||| SWAPPING to +9 broad axe "Kosum" {antimagic,
                  | rC+}.
 42318 | D:14     | 42318 ||| SWAPPING to +6 heavy broad axe.
 42319 | D:14     | 42319 ||| SWAPPING to +9 broad axe "Kosum" {antimagic,
                  | rC+}.
 42320 | D:14     | 42320 ||| SWAPPING to +6 heavy broad axe.
 42321 | D:14     | 42321 ||| SWAPPING to +9 broad axe "Kosum" {antimagic,
                  | rC+}.
 42322 | D:14     | 42322 ||| SWAPPING to +6 heavy broad axe.
 42323 | D:14     | 42323 ||| SWAPPING to +9 broad axe "Kosum" {antimagic,
                  | rC+}.
 42324 | D:14     | 42324 ||| SWAPPING to +6 heavy broad axe.
 42325 | D:14     | 42325 ||| SWAPPING to +9 broad axe "Kosum" {antimagic,
                  | rC+}.
 42326 | D:14     | 42326 ||| SWAPPING to +6 heavy broad axe.
 42327 | D:14     | 42327 ||| SWAPPING to +9 broad axe "Kosum" {antimagic,
                  | rC+}.
 42328 | D:14     | 42328 ||| SWAPPING to +6 heavy broad axe.
 42329 | D:14     | 42329 ||| SWAPPING to +9 broad axe "Kosum" {antimagic,
                  | rC+}.
 42330 | D:14     | 42330 ||| SWAPPING to +6 heavy broad axe.
 42331 | D:14     | 42331 ||| SWAPPING to +9 broad axe "Kosum" {antimagic,
                  | rC+}.
 42332 | D:14     | 42332 ||| SWAPPING to +6 heavy broad axe.
 42333 | D:14     | 42333 ||| SWAPPING to +9 broad axe "Kosum" {antimagic,
                  | rC+}.
 42334 | D:14     | 42334 ||| SWAPPING to +6 heavy broad axe.
 42335 | D:14     | 42335 ||| SWAPPING to +9 broad axe "Kosum" {antimagic,
                  | rC+}.
 42336 | D:14     | 42336 ||| SWAPPING to +6 heavy broad axe.
 42337 | D:14     | 42337 ||| SWAPPING to +9 broad axe "Kosum" {antimagic,
                  | rC+}.
 42338 | D:14     | 42338 ||| SWAPPING to +6 heavy broad axe.
 42339 | D:14     | 42339 ||| SWAPPING to +9 broad axe "Kosum" {antimagic,
                  | rC+}.
 42340 | D:14     | 42340 ||| SWAPPING to +6 heavy broad axe.
 42341 | D:14     | 42341 ||| SWAPPING to +9 broad axe "Kosum" {antimagic,
                  | rC+}.
 42342 | D:14     | 42342 ||| SWAPPING to +6 heavy broad axe.
 42343 | D:14     | 42343 ||| SWAPPING to +9 broad axe "Kosum" {antimagic,
                  | rC+}.
 42344 | D:14     | 42344 ||| SWAPPING to +6 heavy broad axe.
 42345 | D:14     | 42345 ||| SWAPPING to +9 broad axe "Kosum" {antimagic,
                  | rC+}.
 42346 | D:14     | 42346 ||| SWAPPING to +6 heavy broad axe.
 42347 | D:14     | 42347 ||| SWAPPING to +9 broad axe "Kosum" {antimagic,
                  | rC+}.
 42348 | D:14     | 42348 ||| SWAPPING to +6 heavy broad axe.
 42349 | D:14     | 42349 ||| SWAPPING to +9 broad axe "Kosum" {antimagic,
                  | rC+}.
 42350 | D:14     | 42350 ||| SWAPPING to +6 heavy broad axe.
 42351 | D:14     | 42351 ||| SWAPPING to +9 broad axe "Kosum" {antimagic,
                  | rC+}.
 42352 | D:14     | 42352 ||| SWAPPING to +6 heavy broad axe.
 42353 | D:14     | 42353 ||| SWAPPING to +9 broad axe "Kosum" {antimagic,
                  | rC+}.
 42354 | D:14     | 42354 ||| SWAPPING to +6 heavy broad axe.
 42355 | D:14     | 42355 ||| SWAPPING to +9 broad axe "Kosum" {antimagic,
                  | rC+}.
 42356 | D:14     | 42356 ||| SWAPPING to +6 heavy broad axe.
 42357 | D:14     | 42357 ||| SWAPPING to +9 broad axe "Kosum" {antimagic,
                  | rC+}.
 42358 | D:14     | 42358 ||| SWAPPING to +6 heavy broad axe.
 42359 | D:14     | 42359 ||| SWAPPING to +9 broad axe "Kosum" {antimagic,
                  | rC+}.
 42360 | D:14     | 42360 ||| SWAPPING to +6 heavy broad axe.
 42361 | D:14     | 42361 ||| SWAPPING to +9 broad axe "Kosum" {antimagic,
                  | rC+}.
 42362 | D:14     | 42362 ||| SWAPPING to +6 heavy broad axe.
 42363 | D:14     | 42363 ||| SWAPPING to +9 broad axe "Kosum" {antimagic,
                  | rC+}.
 42364 | D:14     | 42364 ||| SWAPPING to +6 heavy broad axe.
 42365 | D:14     | 42365 ||| SWAPPING to +9 broad axe "Kosum" {antimagic,
                  | rC+}.
 42366 | D:14     | 42366 ||| SWAPPING to +6 heavy broad axe.
 42367 | D:14     | 42367 ||| SWAPPING to +9 broad axe "Kosum" {antimagic,
                  | rC+}.
 42368 | D:14     | 42368 ||| SWAPPING to +6 heavy broad axe.
 42369 | D:14     | 42369 ||| SWAPPING to +9 broad axe "Kosum" {antimagic,
                  | rC+}.
 42370 | D:14     | 42370 ||| SWAPPING to +6 heavy broad axe.
 42371 | D:14     | 42371 ||| SWAPPING to +9 broad axe "Kosum" {antimagic,
                  | rC+}.
 42372 | D:14     | 42372 ||| SWAPPING to +6 heavy broad axe.
 42373 | D:14     | 42373 ||| SWAPPING to +9 broad axe "Kosum" {antimagic,
                  | rC+}.
 42374 | D:14     | 42374 ||| SWAPPING to +6 heavy broad axe.
 42375 | D:14     | 42375 ||| SWAPPING to +9 broad axe "Kosum" {antimagic,
                  | rC+}.
 42376 | D:14     | 42376 ||| SWAPPING to +6 heavy broad axe.
 42377 | D:14     | 42377 ||| SWAPPING to +9 broad axe "Kosum" {antimagic,
                  | rC+}.
 42378 | D:14     | 42378 ||| SWAPPING to +6 heavy broad axe.
 42379 | D:14     | 42379 ||| SWAPPING to +9 broad axe "Kosum" {antimagic,
                  | rC+}.
 42380 | D:14     | 42380 ||| SWAPPING to +6 heavy broad axe.
 42381 | D:14     | 42381 ||| SWAPPING to +9 broad axe "Kosum" {antimagic,
                  | rC+}.
 42382 | D:14     | 42382 ||| SWAPPING to +6 heavy broad axe.
 42383 | D:14     | 42383 ||| SWAPPING to +9 broad axe "Kosum" {antimagic,
                  | rC+}.
 42384 | D:14     | 42384 ||| SWAPPING to +6 heavy broad axe.
 42385 | D:14     | 42385 ||| SWAPPING to +9 broad axe "Kosum" {antimagic,
                  | rC+}.
 42386 | D:14     | 42386 ||| SWAPPING to +6 heavy broad axe.
 42387 | D:14     | 42387 ||| SWAPPING to +9 broad axe "Kosum" {antimagic,
                  | rC+}.
 42388 | D:14     | 42388 ||| SWAPPING to +6 heavy broad axe.
 42389 | D:14     | 42389 ||| SWAPPING to +9 broad axe "Kosum" {antimagic,
                  | rC+}.
 42390 | D:14     | 42390 ||| SWAPPING to +6 heavy broad axe.
 42391 | D:14     | 42391 ||| SWAPPING to +9 broad axe "Kosum" {antimagic,
                  | rC+}.
 42392 | D:14     | 42392 ||| SWAPPING to +6 heavy broad axe.
 42393 | D:14     | 42393 ||| SWAPPING to +9 broad axe "Kosum" {antimagic,
                  | rC+}.
 42394 | D:14     | 42394 ||| SWAPPING to +6 heavy broad axe.
 42395 | D:14     | 42395 ||| SWAPPING to +9 broad axe "Kosum" {antimagic,
                  | rC+}.
 42396 | D:14     | 42396 ||| SWAPPING to +6 heavy broad axe.
 42397 | D:14     | 42397 ||| SWAPPING to +9 broad axe "Kosum" {antimagic,
                  | rC+}.
 42398 | D:14     | 42398 ||| SWAPPING to +6 heavy broad axe.
 42399 | D:14     | 42399 ||| SWAPPING to +9 broad axe "Kosum" {antimagic,
                  | rC+}.
 42400 | D:14     | 42400 ||| SWAPPING to +6 heavy broad axe.
 42401 | D:14     | 42401 ||| SWAPPING to +9 broad axe "Kosum" {antimagic,
                  | rC+}.
 42402 | D:14     | 42402 ||| SWAPPING to +6 heavy broad axe.
 42403 | D:14     | 42403 ||| SWAPPING to +9 broad axe "Kosum" {antimagic,
                  | rC+}.
 42404 | D:14     | 42404 ||| SWAPPING to +6 heavy broad axe.
 42405 | D:14     | 42405 ||| SWAPPING to +9 broad axe "Kosum" {antimagic,
                  | rC+}.
 42406 | D:14     | 42406 ||| SWAPPING to +6 heavy broad axe.
 42407 | D:14     | 42407 ||| SWAPPING to +9 broad axe "Kosum" {antimagic,
                  | rC+}.
 42408 | D:14     | 42408 ||| SWAPPING to +6 heavy broad axe.
 42409 | D:14     | 42409 ||| SWAPPING to +9 broad axe "Kosum" {antimagic,
                  | rC+}.
 42410 | D:14     | 42410 ||| SWAPPING to +6 heavy broad axe.
 42411 | D:14     | 42411 ||| SWAPPING to +9 broad axe "Kosum" {antimagic,
                  | rC+}.
 42412 | D:14     | 42412 ||| SWAPPING to +6 heavy broad axe.
 42413 | D:14     | 42413 ||| SWAPPING to +9 broad axe "Kosum" {antimagic,
                  | rC+}.
 42414 | D:14     | 42414 ||| SWAPPING to +6 heavy broad axe.
 42415 | D:14     | 42415 ||| SWAPPING to +9 broad axe "Kosum" {antimagic,
                  | rC+}.
 42416 | D:14     | 42416 ||| SWAPPING to +6 heavy broad axe.
 42417 | D:14     | 42417 ||| SWAPPING to +9 broad axe "Kosum" {antimagic,
                  | rC+}.
 42418 | D:14     | 42418 ||| SWAPPING to +6 heavy broad axe.
 42419 | D:14     | 42419 ||| SWAPPING to +9 broad axe "Kosum" {antimagic,
                  | rC+}.
 42420 | D:14     | 42420 ||| SWAPPING to +6 heavy broad axe.
 42421 | D:14     | 42421 ||| SWAPPING to +9 broad axe "Kosum" {antimagic,
                  | rC+}.
 42422 | D:14     | 42422 ||| SWAPPING to +6 heavy broad axe.
 42423 | D:14     | 42423 ||| SWAPPING to +9 broad axe "Kosum" {antimagic,
                  | rC+}.
 42424 | D:14     | 42424 ||| SWAPPING to +6 heavy broad axe.
 42425 | D:14     | 42425 ||| SWAPPING to +9 broad axe "Kosum" {antimagic,
                  | rC+}.
 42426 | D:14     | 42426 ||| SWAPPING to +6 heavy broad axe.
 42427 | D:14     | 42427 ||| SWAPPING to +9 broad axe "Kosum" {antimagic,
                  | rC+}.
 42428 | D:14     | 42428 ||| SWAPPING to +6 heavy broad axe.
 42429 | D:14     | 42429 ||| SWAPPING to +9 broad axe "Kosum" {antimagic,
                  | rC+}.
 42430 | D:14     | 42430 ||| SWAPPING to +6 heavy broad axe.
 42431 | D:14     | 42431 ||| SWAPPING to +9 broad axe "Kosum" {antimagic,
                  | rC+}.
 42432 | D:14     | 42432 ||| SWAPPING to +6 heavy broad axe.
 42433 | D:14     | 42433 ||| SWAPPING to +9 broad axe "Kosum" {antimagic,
                  | rC+}.
 42434 | D:14     | 42434 ||| SWAPPING to +6 heavy broad axe.
 42435 | D:14     | 42435 ||| SWAPPING to +9 broad axe "Kosum" {antimagic,
                  | rC+}.
 42436 | D:14     | 42436 ||| SWAPPING to +6 heavy broad axe.
 42437 | D:14     | 42437 ||| SWAPPING to +9 broad axe "Kosum" {antimagic,
                  | rC+}.
 42438 | D:14     | 42438 ||| SWAPPING to +6 heavy broad axe.
 42439 | D:14     | 42439 ||| SWAPPING to +9 broad axe "Kosum" {antimagic,
                  | rC+}.
 42440 | D:14     | 42440 ||| SWAPPING to +6 heavy broad axe.
 42441 | D:14     | 42441 ||| SWAPPING to +9 broad axe "Kosum" {antimagic,
                  | rC+}.
 42442 | D:14     | 42442 ||| SWAPPING to +6 heavy broad axe.
 42443 | D:14     | 42443 ||| SWAPPING to +9 broad axe "Kosum" {antimagic,
                  | rC+}.
 42444 | D:14     | 42444 ||| SWAPPING to +6 heavy broad axe.
 42445 | D:14     | 42445 ||| SWAPPING to +9 broad axe "Kosum" {antimagic,
                  | rC+}.
 42446 | D:14     | 42446 ||| SWAPPING to +6 heavy broad axe.
 42447 | D:14     | 42447 ||| SWAPPING to +9 broad axe "Kosum" {antimagic,
                  | rC+}.
 42448 | D:14     | 42448 ||| SWAPPING to +6 heavy broad axe.
 42449 | D:14     | 42449 ||| SWAPPING to +9 broad axe "Kosum" {antimagic,
                  | rC+}.
 42450 | D:14     | 42450 ||| SWAPPING to +6 heavy broad axe.
 42451 | D:14     | 42451 ||| SWAPPING to +9 broad axe "Kosum" {antimagic,
                  | rC+}.
 42452 | D:14     | 42452 ||| SWAPPING to +6 heavy broad axe.
 42453 | D:14     | 42453 ||| SWAPPING to +9 broad axe "Kosum" {antimagic,
                  | rC+}.
 42454 | D:14     | 42454 ||| SWAPPING to +6 heavy broad axe.
 42455 | D:14     | 42455 ||| SWAPPING to +9 broad axe "Kosum" {antimagic,
                  | rC+}.
 42456 | D:14     | 42456 ||| SWAPPING to +6 heavy broad axe.
 42457 | D:14     | 42457 ||| SWAPPING to +9 broad axe "Kosum" {antimagic,
                  | rC+}.
 42458 | D:14     | 42458 ||| SWAPPING to +6 heavy broad axe.
 42459 | D:14     | 42459 ||| SWAPPING to +9 broad axe "Kosum" {antimagic,
                  | rC+}.
 42460 | D:14     | 42460 ||| SWAPPING to +6 heavy broad axe.
 42461 | D:14     | 42461 ||| SWAPPING to +9 broad axe "Kosum" {antimagic,
                  | rC+}.
 42462 | D:14     | 42462 ||| SWAPPING to +6 heavy broad axe.
 42463 | D:14     | 42463 ||| SWAPPING to +9 broad axe "Kosum" {antimagic,
                  | rC+}.
 42464 | D:14     | 42464 ||| SWAPPING to +6 heavy broad axe.
 42465 | D:14     | 42465 ||| SWAPPING to +9 broad axe "Kosum" {antimagic,
                  | rC+}.
 42466 | D:14     | 42466 ||| SWAPPING to +6 heavy broad axe.
 42467 | D:14     | 42467 ||| SWAPPING to +9 broad axe "Kosum" {antimagic,
                  | rC+}.
 42468 | D:14     | 42468 ||| SWAPPING to +6 heavy broad axe.
 42469 | D:14     | 42469 ||| SWAPPING to +9 broad axe "Kosum" {antimagic,
                  | rC+}.
 42470 | D:14     | 42470 ||| SWAPPING to +6 heavy broad axe.
 42471 | D:14     | 42471 ||| SWAPPING to +9 broad axe "Kosum" {antimagic,
                  | rC+}.
 42472 | D:14     | 42472 ||| SWAPPING to +6 heavy broad axe.
 42473 | D:14     | 42473 ||| SWAPPING to +9 broad axe "Kosum" {antimagic,
                  | rC+}.
 42474 | D:14     | 42474 ||| SWAPPING to +6 heavy broad axe.
 42475 | D:14     | 42475 ||| SWAPPING to +9 broad axe "Kosum" {antimagic,
                  | rC+}.
 42476 | D:14     | 42476 ||| SWAPPING to +6 heavy broad axe.
 42477 | D:14     | 42477 ||| SWAPPING to +9 broad axe "Kosum" {antimagic,
                  | rC+}.
 42478 | D:14     | 42478 ||| SWAPPING to +6 heavy broad axe.
 42479 | D:14     | 42479 ||| SWAPPING to +9 broad axe "Kosum" {antimagic,
                  | rC+}.
 42480 | D:14     | 42480 ||| SWAPPING to +6 heavy broad axe.
 42481 | D:14     | 42481 ||| SWAPPING to +9 broad axe "Kosum" {antimagic,
                  | rC+}.
 42482 | D:14     | 42482 ||| SWAPPING to +6 heavy broad axe.
 42483 | D:14     | 42483 ||| SWAPPING to +9 broad axe "Kosum" {antimagic,
                  | rC+}.
 42484 | D:14     | 42484 ||| SWAPPING to +6 heavy broad axe.
 42485 | D:14     | 42485 ||| SWAPPING to +9 broad axe "Kosum" {antimagic,
                  | rC+}.
 42486 | D:14     | 42486 ||| SWAPPING to +6 heavy broad axe.
 42487 | D:14     | 42487 ||| SWAPPING to +9 broad axe "Kosum" {antimagic,
                  | rC+}.
 42488 | D:14     | 42488 ||| SWAPPING to +6 heavy broad axe.
 42489 | D:14     | 42489 ||| SWAPPING to +9 broad axe "Kosum" {antimagic,
                  | rC+}.
 42490 | D:14     | 42490 ||| SWAPPING to +6 heavy broad axe.
 42491 | D:14     | 42491 ||| SWAPPING to +9 broad axe "Kosum" {antimagic,
                  | rC+}.
 42492 | D:14     | 42492 ||| SWAPPING to +6 heavy broad axe.
 42493 | D:14     | 42493 ||| SWAPPING to +9 broad axe "Kosum" {antimagic,
                  | rC+}.
 42494 | D:14     | 42494 ||| SWAPPING to +6 heavy broad axe.
 42495 | D:14     | 42495 ||| SWAPPING to +9 broad axe "Kosum" {antimagic,
                  | rC+}.
 42496 | D:14     | 42496 ||| SWAPPING to +6 heavy broad axe.
 42497 | D:14     | 42497 ||| SWAPPING to +9 broad axe "Kosum" {antimagic,
                  | rC+}.
 42498 | D:14     | 42498 ||| SWAPPING to +6 heavy broad axe.
 42499 | D:14     | 42499 ||| SWAPPING to +9 broad axe "Kosum" {antimagic,
                  | rC+}.
 42500 | D:14     | 42500 ||| SWAPPING to +6 heavy broad axe.
 42501 | D:14     | 42501 ||| SWAPPING to +9 broad axe "Kosum" {antimagic,
                  | rC+}.
 42502 | D:14     | 42502 ||| SWAPPING to +6 heavy broad axe.
 42503 | D:14     | 42503 ||| SWAPPING to +9 broad axe "Kosum" {antimagic,
                  | rC+}.
 42504 | D:14     | 42504 ||| SWAPPING to +6 heavy broad axe.
 42505 | D:14     | 42505 ||| SWAPPING to +9 broad axe "Kosum" {antimagic,
                  | rC+}.
 42506 | D:14     | 42506 ||| SWAPPING to +6 heavy broad axe.
 42507 | D:14     | 42507 ||| SWAPPING to +9 broad axe "Kosum" {antimagic,
                  | rC+}.
 42508 | D:14     | 42508 ||| SWAPPING to +6 heavy broad axe.
 42509 | D:14     | 42509 ||| SWAPPING to +9 broad axe "Kosum" {antimagic,
                  | rC+}.
 42510 | D:14     | 42510 ||| SWAPPING to +6 heavy broad axe.
 42511 | D:14     | 42511 ||| SWAPPING to +9 broad axe "Kosum" {antimagic,
                  | rC+}.
 42512 | D:14     | 42512 ||| SWAPPING to +6 heavy broad axe.
 42513 | D:14     | 42513 ||| SWAPPING to +9 broad axe "Kosum" {antimagic,
                  | rC+}.
 42514 | D:14     | 42514 ||| SWAPPING to +6 heavy broad axe.
 42515 | D:14     | 42515 ||| SWAPPING to +9 broad axe "Kosum" {antimagic,
                  | rC+}.
 42516 | D:14     | 42516 ||| SWAPPING to +6 heavy broad axe.
 42517 | D:14     | 42517 ||| SWAPPING to +9 broad axe "Kosum" {antimagic,
                  | rC+}.
 42518 | D:14     | 42518 ||| SWAPPING to +6 heavy broad axe.
 42519 | D:14     | 42519 ||| SWAPPING to +9 broad axe "Kosum" {antimagic,
                  | rC+}.
 42520 | D:14     | 42520 ||| SWAPPING to +6 heavy broad axe.
 42521 | D:14     | 42521 ||| SWAPPING to +9 broad axe "Kosum" {antimagic,
                  | rC+}.
 42522 | D:14     | 42522 ||| SWAPPING to +6 heavy broad axe.
 42523 | D:14     | 42523 ||| SWAPPING to +9 broad axe "Kosum" {antimagic,
                  | rC+}.
 42524 | D:14     | 42524 ||| SWAPPING to +6 heavy broad axe.
 42525 | D:14     | 42525 ||| SWAPPING to +9 broad axe "Kosum" {antimagic,
                  | rC+}.
 42526 | D:14     | 42526 ||| SWAPPING to +6 heavy broad axe.
 42527 | D:14     | 42527 ||| SWAPPING to +9 broad axe "Kosum" {antimagic,
                  | rC+}.
 42528 | D:14     | 42528 ||| SWAPPING to +6 heavy broad axe.
 42529 | D:14     | 42529 ||| SWAPPING to +9 broad axe "Kosum" {antimagic,
                  | rC+}.
 42530 | D:14     | 42530 ||| SWAPPING to +6 heavy broad axe.
 42531 | D:14     | 42531 ||| SWAPPING to +9 broad axe "Kosum" {antimagic,
                  | rC+}.
 42532 | D:14     | 42532 ||| SWAPPING to +6 heavy broad axe.
 42533 | D:14     | 42533 ||| SWAPPING to +9 broad axe "Kosum" {antimagic,
                  | rC+}.
 42534 | D:14     | 42534 ||| SWAPPING to +6 heavy broad axe.
 42535 | D:14     | 42535 ||| SWAPPING to +9 broad axe "Kosum" {antimagic,
                  | rC+}.
 42536 | D:14     | 42536 ||| SWAPPING to +6 heavy broad axe.
 42537 | D:14     | 42537 ||| SWAPPING to +9 broad axe "Kosum" {antimagic,
                  | rC+}.
 42537 | D:14     | 42537 ||| PLANNING D
 42537 | D:14     | 42537 ||| SWAPPING to +6 heavy broad axe.
 42538 | D:14     | 42538 ||| SWAPPING to +9 broad axe "Kosum" {antimagic,
                  | rC+}.
 42539 | D:14     | 42539 ||| SWAPPING to +6 heavy broad axe.
 42540 | D:14     | 42540 ||| SWAPPING to +9 broad axe "Kosum" {antimagic,
                  | rC+}.
 42541 | D:14     | 42541 ||| SWAPPING to +6 heavy broad axe.
 42542 | D:14     | 42542 ||| SWAPPING to +9 broad axe "Kosum" {antimagic,
                  | rC+}.
 42543 | D:14     | 42543 ||| SWAPPING to +6 heavy broad axe.
 42544 | D:14     | 42544 ||| SWAPPING to +9 broad axe "Kosum" {antimagic,
                  | rC+}.
 42545 | D:14     | 42545 ||| SWAPPING to +6 heavy broad axe.
 42546 | D:14     | 42546 ||| SWAPPING to +9 broad axe "Kosum" {antimagic,
                  | rC+}.
 42547 | D:14     | 42547 ||| SWAPPING to +6 heavy broad axe.
 42548 | D:14     | 42548 ||| SWAPPING to +9 broad axe "Kosum" {antimagic,
                  | rC+}.
 42549 | D:14     | 42549 ||| SWAPPING to +6 heavy broad axe.
 42550 | D:14     | 42550 ||| SWAPPING to +9 broad axe "Kosum" {antimagic,
                  | rC+}.
 42551 | D:14     | 42551 ||| SWAPPING to +6 heavy broad axe.
 42552 | D:14     | 42552 ||| SWAPPING to +9 broad axe "Kosum" {antimagic,
                  | rC+}.
 42553 | D:14     | 42553 ||| SWAPPING to +6 heavy broad axe.
 42554 | D:14     | 42554 ||| SWAPPING to +9 broad axe "Kosum" {antimagic,
                  | rC+}.
 42555 | D:14     | 42555 ||| SWAPPING to +6 heavy broad axe.
 42556 | D:14     | 42556 ||| SWAPPING to +9 broad axe "Kosum" {antimagic,
                  | rC+}.
 42557 | D:14     | 42557 ||| SWAPPING to +6 heavy broad axe.
 42558 | D:14     | 42558 ||| SWAPPING to +9 broad axe "Kosum" {antimagic,
                  | rC+}.
 42559 | D:14     | 42559 ||| SWAPPING to +6 heavy broad axe.
 42560 | D:14     | 42560 ||| SWAPPING to +9 broad axe "Kosum" {antimagic,
                  | rC+}.
 42561 | D:14     | 42561 ||| SWAPPING to +6 heavy broad axe.
 42562 | D:14     | 42562 ||| SWAPPING to +9 broad axe "Kosum" {antimagic,
                  | rC+}.
 42563 | D:14     | 42563 ||| SWAPPING to +6 heavy broad axe.
 42564 | D:14     | 42564 ||| SWAPPING to +9 broad axe "Kosum" {antimagic,
                  | rC+}.
 42565 | D:14     | 42565 ||| SWAPPING to +6 heavy broad axe.
 42566 | D:14     | 42566 ||| SWAPPING to +9 broad axe "Kosum" {antimagic,
                  | rC+}.
 42567 | D:14     | 42567 ||| SWAPPING to +6 heavy broad axe.
 42568 | D:14     | 42568 ||| SWAPPING to +9 broad axe "Kosum" {antimagic,
                  | rC+}.
 42569 | D:14     | 42569 ||| SWAPPING to +6 heavy broad axe.
 42570 | D:14     | 42570 ||| SWAPPING to +9 broad axe "Kosum" {antimagic,
                  | rC+}.
 42571 | D:14     | 42571 ||| SWAPPING to +6 heavy broad axe.
 42572 | D:14     | 42572 ||| SWAPPING to +9 broad axe "Kosum" {antimagic,
                  | rC+}.
 42573 | D:14     | 42573 ||| SWAPPING to +6 heavy broad axe.
 42574 | D:14     | 42574 ||| SWAPPING to +9 broad axe "Kosum" {antimagic,
                  | rC+}.
 42575 | D:14     | 42575 ||| SWAPPING to +6 heavy broad axe.
 42576 | D:14     | 42576 ||| SWAPPING to +9 broad axe "Kosum" {antimagic,
                  | rC+}.
 42577 | D:14     | 42577 ||| SWAPPING to +6 heavy broad axe.
 42578 | D:14     | 42578 ||| SWAPPING to +9 broad axe "Kosum" {antimagic,
                  | rC+}.
 42579 | D:14     | 42579 ||| SWAPPING to +6 heavy broad axe.
 42580 | D:14     | 42580 ||| SWAPPING to +9 broad axe "Kosum" {antimagic,
                  | rC+}.
 42581 | D:14     | 42581 ||| SWAPPING to +6 heavy broad axe.
 42582 | D:14     | 42582 ||| SWAPPING to +9 broad axe "Kosum" {antimagic,
                  | rC+}.
 42583 | D:14     | 42583 ||| SWAPPING to +6 heavy broad axe.
 42584 | D:14     | 42584 ||| SWAPPING to +9 broad axe "Kosum" {antimagic,
                  | rC+}.
 42585 | D:14     | 42585 ||| SWAPPING to +6 heavy broad axe.
 42586 | D:14     | 42586 ||| SWAPPING to +9 broad axe "Kosum" {antimagic,
                  | rC+}.
 42587 | D:14     | 42587 ||| SWAPPING to +6 heavy broad axe.
 42588 | D:14     | 42588 ||| SWAPPING to +9 broad axe "Kosum" {antimagic,
                  | rC+}.
 42589 | D:14     | 42589 ||| SWAPPING to +6 heavy broad axe.
 42590 | D:14     | 42590 ||| SWAPPING to +9 broad axe "Kosum" {antimagic,
                  | rC+}.
 42591 | D:14     | 42591 ||| SWAPPING to +6 heavy broad axe.
 42592 | D:14     | 42592 ||| SWAPPING to +9 broad axe "Kosum" {antimagic,
                  | rC+}.
 42593 | D:14     | 42593 ||| SWAPPING to +6 heavy broad axe.
 42594 | D:14     | 42594 ||| SWAPPING to +9 broad axe "Kosum" {antimagic,
                  | rC+}.
 42595 | D:14     | 42595 ||| SWAPPING to +6 heavy broad axe.
 42596 | D:14     | 42596 ||| SWAPPING to +9 broad axe "Kosum" {antimagic,
                  | rC+}.
 42597 | D:14     | 42597 ||| SWAPPING to +6 heavy broad axe.
 42598 | D:14     | 42598 ||| SWAPPING to +9 broad axe "Kosum" {antimagic,
                  | rC+}.
 42599 | D:14     | 42599 ||| SWAPPING to +6 heavy broad axe.
 42600 | D:14     | 42600 ||| SWAPPING to +9 broad axe "Kosum" {antimagic,
                  | rC+}.
 42601 | D:14     | 42601 ||| SWAPPING to +6 heavy broad axe.
 42602 | D:14     | 42602 ||| SWAPPING to +9 broad axe "Kosum" {antimagic,
                  | rC+}.
 42603 | D:14     | 42603 ||| SWAPPING to +6 heavy broad axe.
 42604 | D:14     | 42604 ||| SWAPPING to +9 broad axe "Kosum" {antimagic,
                  | rC+}.
 42605 | D:14     | 42605 ||| SWAPPING to +6 heavy broad axe.
 42606 | D:14     | 42606 ||| SWAPPING to +9 broad axe "Kosum" {antimagic,
                  | rC+}.
 42607 | D:14     | 42607 ||| SWAPPING to +6 heavy broad axe.
 42608 | D:14     | 42608 ||| SWAPPING to +9 broad axe "Kosum" {antimagic,
                  | rC+}.
 42609 | D:14     | 42609 ||| SWAPPING to +6 heavy broad axe.
 42610 | D:14     | 42610 ||| SWAPPING to +9 broad axe "Kosum" {antimagic,
                  | rC+}.
 42611 | D:14     | 42611 ||| SWAPPING to +6 heavy broad axe.
 42612 | D:14     | 42612 ||| SWAPPING to +9 broad axe "Kosum" {antimagic,
                  | rC+}.
 42613 | D:14     | 42613 ||| SWAPPING to +6 heavy broad axe.
 42614 | D:14     | 42614 ||| SWAPPING to +9 broad axe "Kosum" {antimagic,
                  | rC+}.
 42615 | D:14     | 42615 ||| SWAPPING to +6 heavy broad axe.
 42616 | D:14     | 42616 ||| SWAPPING to +9 broad axe "Kosum" {antimagic,
                  | rC+}.
 42617 | D:14     | 42617 ||| SWAPPING to +6 heavy broad axe.
 42618 | D:14     | 42618 ||| SWAPPING to +9 broad axe "Kosum" {antimagic,
                  | rC+}.
 42619 | D:14     | 42619 ||| SWAPPING to +6 heavy broad axe.
 42620 | D:14     | 42620 ||| SWAPPING to +9 broad axe "Kosum" {antimagic,
                  | rC+}.
 42621 | D:14     | 42621 ||| SWAPPING to +6 heavy broad axe.
 42622 | D:14     | 42622 ||| SWAPPING to +9 broad axe "Kosum" {antimagic,
                  | rC+}.
 42623 | D:14     | 42623 ||| SWAPPING to +6 heavy broad axe.
 42624 | D:14     | 42624 ||| SWAPPING to +9 broad axe "Kosum" {antimagic,
                  | rC+}.
 42625 | D:14     | 42625 ||| SWAPPING to +6 heavy broad axe.
 42626 | D:14     | 42626 ||| SWAPPING to +9 broad axe "Kosum" {antimagic,
                  | rC+}.
 42627 | D:14     | 42627 ||| SWAPPING to +6 heavy broad axe.
 42628 | D:14     | 42628 ||| SWAPPING to +9 broad axe "Kosum" {antimagic,
                  | rC+}.
 42629 | D:14     | 42629 ||| SWAPPING to +6 heavy broad axe.
 42630 | D:14     | 42630 ||| SWAPPING to +9 broad axe "Kosum" {antimagic,
                  | rC+}.
 42631 | D:14     | 42631 ||| SWAPPING to +6 heavy broad axe.
 42632 | D:14     | 42632 ||| SWAPPING to +9 broad axe "Kosum" {antimagic,
                  | rC+}.
 42633 | D:14     | 42633 ||| SWAPPING to +6 heavy broad axe.
 42634 | D:14     | 42634 ||| SWAPPING to +9 broad axe "Kosum" {antimagic,
                  | rC+}.
 42635 | D:14     | 42635 ||| SWAPPING to +6 heavy broad axe.
 42636 | D:14     | 42636 ||| SWAPPING to +9 broad axe "Kosum" {antimagic,
                  | rC+}.
 42637 | D:14     | 42637 ||| SWAPPING to +6 heavy broad axe.
 42638 | D:14     | 42638 ||| SWAPPING to +9 broad axe "Kosum" {antimagic,
                  | rC+}.
 42639 | D:14     | 42639 ||| SWAPPING to +6 heavy broad axe.
 42640 | D:14     | 42640 ||| SWAPPING to +9 broad axe "Kosum" {antimagic,
                  | rC+}.
 42641 | D:14     | 42641 ||| SWAPPING to +6 heavy broad axe.
 42642 | D:14     | 42642 ||| SWAPPING to +9 broad axe "Kosum" {antimagic,
                  | rC+}.
 42643 | D:14     | 42643 ||| SWAPPING to +6 heavy broad axe.
 42644 | D:14     | 42644 ||| SWAPPING to +9 broad axe "Kosum" {antimagic,
                  | rC+}.
 42645 | D:14     | 42645 ||| SWAPPING to +6 heavy broad axe.
 42646 | D:14     | 42646 ||| SWAPPING to +9 broad axe "Kosum" {antimagic,
                  | rC+}.
 42647 | D:14     | 42647 ||| SWAPPING to +6 heavy broad axe.
 42648 | D:14     | 42648 ||| SWAPPING to +9 broad axe "Kosum" {antimagic,
                  | rC+}.
 42649 | D:14     | 42649 ||| SWAPPING to +6 heavy broad axe.
 42650 | D:14     | 42650 ||| SWAPPING to +9 broad axe "Kosum" {antimagic,
                  | rC+}.
 42651 | D:14     | 42651 ||| SWAPPING to +6 heavy broad axe.
 42652 | D:14     | 42652 ||| SWAPPING to +9 broad axe "Kosum" {antimagic,
                  | rC+}.
 42653 | D:14     | 42653 ||| SWAPPING to +6 heavy broad axe.
 42654 | D:14     | 42654 ||| SWAPPING to +9 broad axe "Kosum" {antimagic,
                  | rC+}.
 42655 | D:14     | 42655 ||| SWAPPING to +6 heavy broad axe.
 42656 | D:14     | 42656 ||| SWAPPING to +9 broad axe "Kosum" {antimagic,
                  | rC+}.
 42657 | D:14     | 42657 ||| SWAPPING to +6 heavy broad axe.
 42658 | D:14     | 42658 ||| SWAPPING to +9 broad axe "Kosum" {antimagic,
                  | rC+}.
 42659 | D:14     | 42659 ||| SWAPPING to +6 heavy broad axe.
 42660 | D:14     | 42660 ||| SWAPPING to +9 broad axe "Kosum" {antimagic,
                  | rC+}.
 42661 | D:14     | 42661 ||| SWAPPING to +6 heavy broad axe.
 42662 | D:14     | 42662 ||| SWAPPING to +9 broad axe "Kosum" {antimagic,
                  | rC+}.
 42663 | D:14     | 42663 ||| SWAPPING to +6 heavy broad axe.
 42664 | D:14     | 42664 ||| SWAPPING to +9 broad axe "Kosum" {antimagic,
                  | rC+}.
 42665 | D:14     | 42665 ||| SWAPPING to +6 heavy broad axe.
 42666 | D:14     | 42666 ||| SWAPPING to +9 broad axe "Kosum" {antimagic,
                  | rC+}.
 42667 | D:14     | 42667 ||| SWAPPING to +6 heavy broad axe.
 42668 | D:14     | 42668 ||| SWAPPING to +9 broad axe "Kosum" {antimagic,
                  | rC+}.
 42669 | D:14     | 42669 ||| SWAPPING to +6 heavy broad axe.
 42670 | D:14     | 42670 ||| SWAPPING to +9 broad axe "Kosum" {antimagic,
                  | rC+}.
 42671 | D:14     | 42671 ||| SWAPPING to +6 heavy broad axe.
 42672 | D:14     | 42672 ||| SWAPPING to +9 broad axe "Kosum" {antimagic,
                  | rC+}.
 42673 | D:14     | 42673 ||| SWAPPING to +6 heavy broad axe.
 42674 | D:14     | 42674 ||| SWAPPING to +9 broad axe "Kosum" {antimagic,
                  | rC+}.
 42675 | D:14     | 42675 ||| SWAPPING to +6 heavy broad axe.
 42676 | D:14     | 42676 ||| SWAPPING to +9 broad axe "Kosum" {antimagic,
                  | rC+}.
 42677 | D:14     | 42677 ||| SWAPPING to +6 heavy broad axe.
 42678 | D:14     | 42678 ||| SWAPPING to +9 broad axe "Kosum" {antimagic,
                  | rC+}.
 42679 | D:14     | 42679 ||| SWAPPING to +6 heavy broad axe.
 42680 | D:14     | 42680 ||| SWAPPING to +9 broad axe "Kosum" {antimagic,
                  | rC+}.
 42681 | D:14     | 42681 ||| SWAPPING to +6 heavy broad axe.
 42682 | D:14     | 42682 ||| SWAPPING to +9 broad axe "Kosum" {antimagic,
                  | rC+}.
 42683 | D:14     | 42683 ||| SWAPPING to +6 heavy broad axe.
 42684 | D:14     | 42684 ||| SWAPPING to +9 broad axe "Kosum" {antimagic,
                  | rC+}.
 42685 | D:14     | 42685 ||| SWAPPING to +6 heavy broad axe.
 42686 | D:14     | 42686 ||| SWAPPING to +9 broad axe "Kosum" {antimagic,
                  | rC+}.
 42687 | D:14     | 42687 ||| SWAPPING to +6 heavy broad axe.
 42688 | D:14     | 42688 ||| SWAPPING to +9 broad axe "Kosum" {antimagic,
                  | rC+}.
 42689 | D:14     | 42689 ||| SWAPPING to +6 heavy broad axe.
 42690 | D:14     | 42690 ||| SWAPPING to +9 broad axe "Kosum" {antimagic,
                  | rC+}.
 42691 | D:14     | 42691 ||| SWAPPING to +6 heavy broad axe.
 42692 | D:14     | 42692 ||| SWAPPING to +9 broad axe "Kosum" {antimagic,
                  | rC+}.
 42693 | D:14     | 42693 ||| SWAPPING to +6 heavy broad axe.
 42694 | D:14     | 42694 ||| SWAPPING to +9 broad axe "Kosum" {antimagic,
                  | rC+}.
 42695 | D:14     | 42695 ||| SWAPPING to +6 heavy broad axe.
 42696 | D:14     | 42696 ||| SWAPPING to +9 broad axe "Kosum" {antimagic,
                  | rC+}.
 42697 | D:14     | 42697 ||| SWAPPING to +6 heavy broad axe.
 42698 | D:14     | 42698 ||| SWAPPING to +9 broad axe "Kosum" {antimagic,
                  | rC+}.
 42699 | D:14     | 42699 ||| SWAPPING to +6 heavy broad axe.
 42700 | D:14     | 42700 ||| SWAPPING to +9 broad axe "Kosum" {antimagic,
                  | rC+}.
 42701 | D:14     | 42701 ||| SWAPPING to +6 heavy broad axe.
 42702 | D:14     | 42702 ||| SWAPPING to +9 broad axe "Kosum" {antimagic,
                  | rC+}.
 42703 | D:14     | 42703 ||| SWAPPING to +6 heavy broad axe.
 42704 | D:14     | 42704 ||| SWAPPING to +9 broad axe "Kosum" {antimagic,
                  | rC+}.
 42705 | D:14     | 42705 ||| SWAPPING to +6 heavy broad axe.
 42706 | D:14     | 42706 ||| SWAPPING to +9 broad axe "Kosum" {antimagic,
                  | rC+}.
 42707 | D:14     | 42707 ||| SWAPPING to +6 heavy broad axe.
 42708 | D:14     | 42708 ||| SWAPPING to +9 broad axe "Kosum" {antimagic,
                  | rC+}.
 42709 | D:14     | 42709 ||| SWAPPING to +6 heavy broad axe.
 42710 | D:14     | 42710 ||| SWAPPING to +9 broad axe "Kosum" {antimagic,
                  | rC+}.
 42711 | D:14     | 42711 ||| SWAPPING to +6 heavy broad axe.
 42712 | D:14     | 42712 ||| SWAPPING to +9 broad axe "Kosum" {antimagic,
                  | rC+}.
 42713 | D:14     | 42713 ||| SWAPPING to +6 heavy broad axe.
 42714 | D:14     | 42714 ||| SWAPPING to +9 broad axe "Kosum" {antimagic,
                  | rC+}.
 42715 | D:14     | 42715 ||| SWAPPING to +6 heavy broad axe.
 42716 | D:14     | 42716 ||| SWAPPING to +9 broad axe "Kosum" {antimagic,
                  | rC+}.
 42717 | D:14     | 42717 ||| SWAPPING to +6 heavy broad axe.
 42718 | D:14     | 42718 ||| SWAPPING to +9 broad axe "Kosum" {antimagic,
                  | rC+}.
 42719 | D:14     | 42719 ||| SWAPPING to +6 heavy broad axe.
 42720 | D:14     | 42720 ||| SWAPPING to +9 broad axe "Kosum" {antimagic,
                  | rC+}.
 42721 | D:14     | 42721 ||| SWAPPING to +6 heavy broad axe.
 42722 | D:14     | 42722 ||| SWAPPING to +9 broad axe "Kosum" {antimagic,
                  | rC+}.
 42723 | D:14     | 42723 ||| SWAPPING to +6 heavy broad axe.
 42724 | D:14     | 42724 ||| SWAPPING to +9 broad axe "Kosum" {antimagic,
                  | rC+}.
 42725 | D:14     | 42725 ||| SWAPPING to +6 heavy broad axe.
 42726 | D:14     | 42726 ||| SWAPPING to +9 broad axe "Kosum" {antimagic,
                  | rC+}.
 42727 | D:14     | 42727 ||| SWAPPING to +6 heavy broad axe.
 42728 | D:14     | 42728 ||| SWAPPING to +9 broad axe "Kosum" {antimagic,
                  | rC+}.
 42729 | D:14     | 42729 ||| SWAPPING to +6 heavy broad axe.
 42730 | D:14     | 42730 ||| SWAPPING to +9 broad axe "Kosum" {antimagic,
                  | rC+}.
 42731 | D:14     | 42731 ||| SWAPPING to +6 heavy broad axe.
 42732 | D:14     | 42732 ||| SWAPPING to +9 broad axe "Kosum" {antimagic,
                  | rC+}.
 42733 | D:14     | 42733 ||| SWAPPING to +6 heavy broad axe.
 42734 | D:14     | 42734 ||| SWAPPING to +9 broad axe "Kosum" {antimagic,
                  | rC+}.
 42735 | D:14     | 42735 ||| SWAPPING to +6 heavy broad axe.
 42736 | D:14     | 42736 ||| SWAPPING to +9 broad axe "Kosum" {antimagic,
                  | rC+}.
 42737 | D:14     | 42737 ||| SWAPPING to +6 heavy broad axe.
 42738 | D:14     | 42738 ||| SWAPPING to +9 broad axe "Kosum" {antimagic,
                  | rC+}.
 42739 | D:14     | 42739 ||| SWAPPING to +6 heavy broad axe.
 42740 | D:14     | 42740 ||| SWAPPING to +9 broad axe "Kosum" {antimagic,
                  | rC+}.
 42741 | D:14     | 42741 ||| SWAPPING to +6 heavy broad axe.
 42742 | D:14     | 42742 ||| SWAPPING to +9 broad axe "Kosum" {antimagic,
                  | rC+}.
 42743 | D:14     | 42743 ||| SWAPPING to +6 heavy broad axe.
 42744 | D:14     | 42744 ||| SWAPPING to +9 broad axe "Kosum" {antimagic,
                  | rC+}.
 42745 | D:14     | 42745 ||| SWAPPING to +6 heavy broad axe.
 42746 | D:14     | 42746 ||| SWAPPING to +9 broad axe "Kosum" {antimagic,
                  | rC+}.
 42747 | D:14     | 42747 ||| SWAPPING to +6 heavy broad axe.
 42748 | D:14     | 42748 ||| SWAPPING to +9 broad axe "Kosum" {antimagic,
                  | rC+}.
 42749 | D:14     | 42749 ||| SWAPPING to +6 heavy broad axe.
 42750 | D:14     | 42750 ||| SWAPPING to +9 broad axe "Kosum" {antimagic,
                  | rC+}.
 42751 | D:14     | 42751 ||| SWAPPING to +6 heavy broad axe.
 42752 | D:14     | 42752 ||| SWAPPING to +9 broad axe "Kosum" {antimagic,
                  | rC+}.
 42753 | D:14     | 42753 ||| SWAPPING to +6 heavy broad axe.
 42754 | D:14     | 42754 ||| SWAPPING to +9 broad axe "Kosum" {antimagic,
                  | rC+}.
 42755 | D:14     | 42755 ||| SWAPPING to +6 heavy broad axe.
 42756 | D:14     | 42756 ||| SWAPPING to +9 broad axe "Kosum" {antimagic,
                  | rC+}.
 42757 | D:14     | 42757 ||| SWAPPING to +6 heavy broad axe.
 42758 | D:14     | 42758 ||| SWAPPING to +9 broad axe "Kosum" {antimagic,
                  | rC+}.
 42759 | D:14     | 42759 ||| SWAPPING to +6 heavy broad axe.
 42760 | D:14     | 42760 ||| SWAPPING to +9 broad axe "Kosum" {antimagic,
                  | rC+}.
 42761 | D:14     | 42761 ||| SWAPPING to +6 heavy broad axe.
 42762 | D:14     | 42762 ||| SWAPPING to +9 broad axe "Kosum" {antimagic,
                  | rC+}.
 42763 | D:14     | 42763 ||| SWAPPING to +6 heavy broad axe.
 42764 | D:14     | 42764 ||| SWAPPING to +9 broad axe "Kosum" {antimagic,
                  | rC+}.
 42765 | D:14     | 42765 ||| SWAPPING to +6 heavy broad axe.
 42766 | D:14     | 42766 ||| SWAPPING to +9 broad axe "Kosum" {antimagic,
                  | rC+}.
 42767 | D:14     | 42767 ||| SWAPPING to +6 heavy broad axe.
 42768 | D:14     | 42768 ||| SWAPPING to +9 broad axe "Kosum" {antimagic,
                  | rC+}.
 42769 | D:14     | 42769 ||| SWAPPING to +6 heavy broad axe.
 42770 | D:14     | 42770 ||| SWAPPING to +9 broad axe "Kosum" {antimagic,
                  | rC+}.
 42771 | D:14     | 42771 ||| SWAPPING to +6 heavy broad axe.
 42772 | D:14     | 42772 ||| SWAPPING to +9 broad axe "Kosum" {antimagic,
                  | rC+}.
 42773 | D:14     | 42773 ||| SWAPPING to +6 heavy broad axe.
 42774 | D:14     | 42774 ||| SWAPPING to +9 broad axe "Kosum" {antimagic,
                  | rC+}.
 42775 | D:14     | 42775 ||| SWAPPING to +6 heavy broad axe.
 42776 | D:14     | 42776 ||| SWAPPING to +9 broad axe "Kosum" {antimagic,
                  | rC+}.
 42777 | D:14     | 42777 ||| SWAPPING to +6 heavy broad axe.
 42778 | D:14     | 42778 ||| SWAPPING to +9 broad axe "Kosum" {antimagic,
                  | rC+}.
 42779 | D:14     | 42779 ||| SWAPPING to +6 heavy broad axe.
 42780 | D:14     | 42780 ||| SWAPPING to +9 broad axe "Kosum" {antimagic,
                  | rC+}.
 42781 | D:14     | 42781 ||| SWAPPING to +6 heavy broad axe.
 42782 | D:14     | 42782 ||| SWAPPING to +9 broad axe "Kosum" {antimagic,
                  | rC+}.
 42783 | D:14     | 42783 ||| SWAPPING to +6 heavy broad axe.
 42784 | D:14     | 42784 ||| SWAPPING to +9 broad axe "Kosum" {antimagic,
                  | rC+}.
 42785 | D:14     | 42785 ||| SWAPPING to +6 heavy broad axe.
 42786 | D:14     | 42786 ||| SWAPPING to +9 broad axe "Kosum" {antimagic,
                  | rC+}.
 42787 | D:14     | 42787 ||| SWAPPING to +6 heavy broad axe.
 42788 | D:14     | 42788 ||| SWAPPING to +9 broad axe "Kosum" {antimagic,
                  | rC+}.
 42789 | D:14     | 42789 ||| SWAPPING to +6 heavy broad axe.
 42790 | D:14     | 42790 ||| SWAPPING to +9 broad axe "Kosum" {antimagic,
                  | rC+}.
 42791 | D:14     | 42791 ||| SWAPPING to +6 heavy broad axe.
 42792 | D:14     | 42792 ||| SWAPPING to +9 broad axe "Kosum" {antimagic,
                  | rC+}.
 42793 | D:14     | 42793 ||| SWAPPING to +6 heavy broad axe.
 42794 | D:14     | 42794 ||| SWAPPING to +9 broad axe "Kosum" {antimagic,
                  | rC+}.
 42795 | D:14     | 42795 ||| SWAPPING to +6 heavy broad axe.
 42796 | D:14     | 42796 ||| SWAPPING to +9 broad axe "Kosum" {antimagic,
                  | rC+}.
 42797 | D:14     | 42797 ||| SWAPPING to +6 heavy broad axe.
 42798 | D:14     | 42798 ||| SWAPPING to +9 broad axe "Kosum" {antimagic,
                  | rC+}.
 42799 | D:14     | 42799 ||| SWAPPING to +6 heavy broad axe.
 42800 | D:14     | 42800 ||| SWAPPING to +9 broad axe "Kosum" {antimagic,
                  | rC+}.
 42801 | D:14     | 42801 ||| SWAPPING to +6 heavy broad axe.
 42802 | D:14     | 42802 ||| SWAPPING to +9 broad axe "Kosum" {antimagic,
                  | rC+}.
 42803 | D:14     | 42803 ||| SWAPPING to +6 heavy broad axe.
 42804 | D:14     | 42804 ||| SWAPPING to +9 broad axe "Kosum" {antimagic,
                  | rC+}.
 42805 | D:14     | 42805 ||| SWAPPING to +6 heavy broad axe.
 42806 | D:14     | 42806 ||| SWAPPING to +9 broad axe "Kosum" {antimagic,
                  | rC+}.
 42807 | D:14     | 42807 ||| SWAPPING to +6 heavy broad axe.
 42808 | D:14     | 42808 ||| SWAPPING to +9 broad axe "Kosum" {antimagic,
                  | rC+}.
 42809 | D:14     | 42809 ||| SWAPPING to +6 heavy broad axe.
 42810 | D:14     | 42810 ||| SWAPPING to +9 broad axe "Kosum" {antimagic,
                  | rC+}.
 42811 | D:14     | 42811 ||| SWAPPING to +6 heavy broad axe.
 42812 | D:14     | 42812 ||| SWAPPING to +9 broad axe "Kosum" {antimagic,
                  | rC+}.
 42813 | D:14     | 42813 ||| SWAPPING to +6 heavy broad axe.
 42814 | D:14     | 42814 ||| SWAPPING to +9 broad axe "Kosum" {antimagic,
                  | rC+}.
 42815 | D:14     | 42815 ||| SWAPPING to +6 heavy broad axe.
 42816 | D:14     | 42816 ||| SWAPPING to +9 broad axe "Kosum" {antimagic,
                  | rC+}.
 42817 | D:14     | 42817 ||| SWAPPING to +6 heavy broad axe.
 42818 | D:14     | 42818 ||| SWAPPING to +9 broad axe "Kosum" {antimagic,
                  | rC+}.
 42819 | D:14     | 42819 ||| SWAPPING to +6 heavy broad axe.
 42820 | D:14     | 42820 ||| SWAPPING to +9 broad axe "Kosum" {antimagic,
                  | rC+}.
 42821 | D:14     | 42821 ||| SWAPPING to +6 heavy broad axe.
 42822 | D:14     | 42822 ||| SWAPPING to +9 broad axe "Kosum" {antimagic,
                  | rC+}.
 42823 | D:14     | 42823 ||| SWAPPING to +6 heavy broad axe.
 42824 | D:14     | 42824 ||| SWAPPING to +9 broad axe "Kosum" {antimagic,
                  | rC+}.
 42825 | D:14     | 42825 ||| SWAPPING to +6 heavy broad axe.
 42826 | D:14     | 42826 ||| SWAPPING to +9 broad axe "Kosum" {antimagic,
                  | rC+}.
 42827 | D:14     | 42827 ||| SWAPPING to +6 heavy broad axe.
 42828 | D:14     | 42828 ||| SWAPPING to +9 broad axe "Kosum" {antimagic,
                  | rC+}.
 42829 | D:14     | 42829 ||| SWAPPING to +6 heavy broad axe.
 42830 | D:14     | 42830 ||| SWAPPING to +9 broad axe "Kosum" {antimagic,
                  | rC+}.
 42831 | D:14     | 42831 ||| SWAPPING to +6 heavy broad axe.
 42832 | D:14     | 42832 ||| SWAPPING to +9 broad axe "Kosum" {antimagic,
                  | rC+}.
 42833 | D:14     | 42833 ||| SWAPPING to +6 heavy broad axe.
 42834 | D:14     | 42834 ||| SWAPPING to +9 broad axe "Kosum" {antimagic,
                  | rC+}.
 42835 | D:14     | 42835 ||| SWAPPING to +6 heavy broad axe.
 42836 | D:14     | 42836 ||| SWAPPING to +9 broad axe "Kosum" {antimagic,
                  | rC+}.
 42837 | D:14     | 42837 ||| SWAPPING to +6 heavy broad axe.
 42838 | D:14     | 42838 ||| SWAPPING to +9 broad axe "Kosum" {antimagic,
                  | rC+}.
 42839 | D:14     | 42839 ||| SWAPPING to +6 heavy broad axe.
 42840 | D:14     | 42840 ||| SWAPPING to +9 broad axe "Kosum" {antimagic,
                  | rC+}.
 42841 | D:14     | 42841 ||| SWAPPING to +6 heavy broad axe.
 42842 | D:14     | 42842 ||| SWAPPING to +9 broad axe "Kosum" {antimagic,
                  | rC+}.
 42843 | D:14     | 42843 ||| SWAPPING to +6 heavy broad axe.
 42844 | D:14     | 42844 ||| SWAPPING to +9 broad axe "Kosum" {antimagic,
                  | rC+}.
 42845 | D:14     | 42845 ||| SWAPPING to +6 heavy broad axe.
 42846 | D:14     | 42846 ||| SWAPPING to +9 broad axe "Kosum" {antimagic,
                  | rC+}.
 42847 | D:14     | 42847 ||| SWAPPING to +6 heavy broad axe.
 42848 | D:14     | 42848 ||| SWAPPING to +9 broad axe "Kosum" {antimagic,
                  | rC+}.
 42849 | D:14     | 42849 ||| SWAPPING to +6 heavy broad axe.
 42850 | D:14     | 42850 ||| SWAPPING to +9 broad axe "Kosum" {antimagic,
                  | rC+}.
 42851 | D:14     | 42851 ||| SWAPPING to +6 heavy broad axe.
 42852 | D:14     | 42852 ||| SWAPPING to +9 broad axe "Kosum" {antimagic,
                  | rC+}.
 42853 | D:14     | 42853 ||| SWAPPING to +6 heavy broad axe.
 42854 | D:14     | 42854 ||| SWAPPING to +9 broad axe "Kosum" {antimagic,
                  | rC+}.
 42855 | D:14     | 42855 ||| SWAPPING to +6 heavy broad axe.
 42856 | D:14     | 42856 ||| SWAPPING to +9 broad axe "Kosum" {antimagic,
                  | rC+}.
 42857 | D:14     | 42857 ||| SWAPPING to +6 heavy broad axe.
 42858 | D:14     | 42858 ||| SWAPPING to +9 broad axe "Kosum" {antimagic,
                  | rC+}.
 42859 | D:14     | 42859 ||| SWAPPING to +6 heavy broad axe.
 42860 | D:14     | 42860 ||| SWAPPING to +9 broad axe "Kosum" {antimagic,
                  | rC+}.
 42861 | D:14     | 42861 ||| SWAPPING to +6 heavy broad axe.
 42862 | D:14     | 42862 ||| SWAPPING to +9 broad axe "Kosum" {antimagic,
                  | rC+}.
 42863 | D:14     | 42863 ||| SWAPPING to +6 heavy broad axe.
 42864 | D:14     | 42864 ||| SWAPPING to +9 broad axe "Kosum" {antimagic,
                  | rC+}.
 42865 | D:14     | 42865 ||| SWAPPING to +6 heavy broad axe.
 42866 | D:14     | 42866 ||| SWAPPING to +9 broad axe "Kosum" {antimagic,
                  | rC+}.
 42867 | D:14     | 42867 ||| SWAPPING to +6 heavy broad axe.
 42868 | D:14     | 42868 ||| SWAPPING to +9 broad axe "Kosum" {antimagic,
                  | rC+}.
 42869 | D:14     | 42869 ||| SWAPPING to +6 heavy broad axe.
 42870 | D:14     | 42870 ||| SWAPPING to +9 broad axe "Kosum" {antimagic,
                  | rC+}.
 42871 | D:14     | 42871 ||| SWAPPING to +6 heavy broad axe.
 42872 | D:14     | 42872 ||| SWAPPING to +9 broad axe "Kosum" {antimagic,
                  | rC+}.
 42873 | D:14     | 42873 ||| SWAPPING to +6 heavy broad axe.
 42874 | D:14     | 42874 ||| SWAPPING to +9 broad axe "Kosum" {antimagic,
                  | rC+}.
 42875 | D:14     | 42875 ||| SWAPPING to +6 heavy broad axe.
 42876 | D:14     | 42876 ||| SWAPPING to +9 broad axe "Kosum" {antimagic,
                  | rC+}.
 42877 | D:14     | 42877 ||| SWAPPING to +6 heavy broad axe.
 42878 | D:14     | 42878 ||| SWAPPING to +9 broad axe "Kosum" {antimagic,
                  | rC+}.
 42879 | D:14     | 42879 ||| SWAPPING to +6 heavy broad axe.
 42880 | D:14     | 42880 ||| SWAPPING to +9 broad axe "Kosum" {antimagic,
                  | rC+}.
 42881 | D:14     | 42881 ||| SWAPPING to +6 heavy broad axe.
 42882 | D:14     | 42882 ||| SWAPPING to +9 broad axe "Kosum" {antimagic,
                  | rC+}.
 42883 | D:14     | 42883 ||| SWAPPING to +6 heavy broad axe.
 42884 | D:14     | 42884 ||| SWAPPING to +9 broad axe "Kosum" {antimagic,
                  | rC+}.
 42885 | D:14     | 42885 ||| SWAPPING to +6 heavy broad axe.
 42886 | D:14     | 42886 ||| SWAPPING to +9 broad axe "Kosum" {antimagic,
                  | rC+}.
 42887 | D:14     | 42887 ||| SWAPPING to +6 heavy broad axe.
 42888 | D:14     | 42888 ||| SWAPPING to +9 broad axe "Kosum" {antimagic,
                  | rC+}.
 42889 | D:14     | 42889 ||| SWAPPING to +6 heavy broad axe.
 42890 | D:14     | 42890 ||| SWAPPING to +9 broad axe "Kosum" {antimagic,
                  | rC+}.
 42891 | D:14     | 42891 ||| SWAPPING to +6 heavy broad axe.
 42892 | D:14     | 42892 ||| SWAPPING to +9 broad axe "Kosum" {antimagic,
                  | rC+}.
 42893 | D:14     | 42893 ||| SWAPPING to +6 heavy broad axe.
 42894 | D:14     | 42894 ||| SWAPPING to +9 broad axe "Kosum" {antimagic,
                  | rC+}.
 42895 | D:14     | 42895 ||| SWAPPING to +6 heavy broad axe.
 42896 | D:14     | 42896 ||| SWAPPING to +9 broad axe "Kosum" {antimagic,
                  | rC+}.
 42897 | D:14     | 42897 ||| SWAPPING to +6 heavy broad axe.
 42898 | D:14     | 42898 ||| SWAPPING to +9 broad axe "Kosum" {antimagic,
                  | rC+}.
 42899 | D:14     | 42899 ||| SWAPPING to +6 heavy broad axe.
 42900 | D:14     | 42900 ||| SWAPPING to +9 broad axe "Kosum" {antimagic,
                  | rC+}.
 42901 | D:14     | 42901 ||| SWAPPING to +6 heavy broad axe.
 42902 | D:14     | 42902 ||| SWAPPING to +9 broad axe "Kosum" {antimagic,
                  | rC+}.
 42903 | D:14     | 42903 ||| SWAPPING to +6 heavy broad axe.
 42904 | D:14     | 42904 ||| SWAPPING to +9 broad axe "Kosum" {antimagic,
                  | rC+}.
 42905 | D:14     | 42905 ||| SWAPPING to +6 heavy broad axe.
 42906 | D:14     | 42906 ||| SWAPPING to +9 broad axe "Kosum" {antimagic,
                  | rC+}.
 42907 | D:14     | 42907 ||| SWAPPING to +6 heavy broad axe.
 42908 | D:14     | 42908 ||| SWAPPING to +9 broad axe "Kosum" {antimagic,
                  | rC+}.
 42909 | D:14     | 42909 ||| SWAPPING to +6 heavy broad axe.
 42910 | D:14     | 42910 ||| SWAPPING to +9 broad axe "Kosum" {antimagic,
                  | rC+}.
 42911 | D:14     | 42911 ||| SWAPPING to +6 heavy broad axe.
 42912 | D:14     | 42912 ||| SWAPPING to +9 broad axe "Kosum" {antimagic,
                  | rC+}.
 42913 | D:14     | 42913 ||| SWAPPING to +6 heavy broad axe.
 42914 | D:14     | 42914 ||| SWAPPING to +9 broad axe "Kosum" {antimagic,
                  | rC+}.
 42915 | D:14     | 42915 ||| SWAPPING to +6 heavy broad axe.
 42916 | D:14     | 42916 ||| SWAPPING to +9 broad axe "Kosum" {antimagic,
                  | rC+}.
 42917 | D:14     | 42917 ||| SWAPPING to +6 heavy broad axe.
 42918 | D:14     | 42918 ||| SWAPPING to +9 broad axe "Kosum" {antimagic,
                  | rC+}.
 42919 | D:14     | 42919 ||| SWAPPING to +6 heavy broad axe.
 42920 | D:14     | 42920 ||| SWAPPING to +9 broad axe "Kosum" {antimagic,
                  | rC+}.
 42921 | D:14     | 42921 ||| SWAPPING to +6 heavy broad axe.
 42922 | D:14     | 42922 ||| SWAPPING to +9 broad axe "Kosum" {antimagic,
                  | rC+}.
 42923 | D:14     | 42923 ||| SWAPPING to +6 heavy broad axe.
 42924 | D:14     | 42924 ||| SWAPPING to +9 broad axe "Kosum" {antimagic,
                  | rC+}.
 42925 | D:14     | 42925 ||| SWAPPING to +6 heavy broad axe.
 42926 | D:14     | 42926 ||| SWAPPING to +9 broad axe "Kosum" {antimagic,
                  | rC+}.
 42927 | D:14     | 42927 ||| SWAPPING to +6 heavy broad axe.
 42928 | D:14     | 42928 ||| SWAPPING to +9 broad axe "Kosum" {antimagic,
                  | rC+}.
 42929 | D:14     | 42929 ||| SWAPPING to +6 heavy broad axe.
 42930 | D:14     | 42930 ||| SWAPPING to +9 broad axe "Kosum" {antimagic,
                  | rC+}.
 42931 | D:14     | 42931 ||| SWAPPING to +6 heavy broad axe.
 42932 | D:14     | 42932 ||| SWAPPING to +9 broad axe "Kosum" {antimagic,
                  | rC+}.
 42933 | D:14     | 42933 ||| SWAPPING to +6 heavy broad axe.
 42934 | D:14     | 42934 ||| SWAPPING to +9 broad axe "Kosum" {antimagic,
                  | rC+}.
 42935 | D:14     | 42935 ||| SWAPPING to +6 heavy broad axe.
 42936 | D:14     | 42936 ||| SWAPPING to +9 broad axe "Kosum" {antimagic,
                  | rC+}.
 42937 | D:14     | 42937 ||| SWAPPING to +6 heavy broad axe.
 42938 | D:14     | 42938 ||| SWAPPING to +9 broad axe "Kosum" {antimagic,
                  | rC+}.
 42939 | D:14     | 42939 ||| SWAPPING to +6 heavy broad axe.
 42940 | D:14     | 42940 ||| SWAPPING to +9 broad axe "Kosum" {antimagic,
                  | rC+}.
 42941 | D:14     | 42941 ||| SWAPPING to +6 heavy broad axe.
 42942 | D:14     | 42942 ||| SWAPPING to +9 broad axe "Kosum" {antimagic,
                  | rC+}.
 42943 | D:14     | 42943 ||| SWAPPING to +6 heavy broad axe.
 42944 | D:14     | 42944 ||| SWAPPING to +9 broad axe "Kosum" {antimagic,
                  | rC+}.
 42945 | D:14     | 42945 ||| SWAPPING to +6 heavy broad axe.
 42946 | D:14     | 42946 ||| SWAPPING to +9 broad axe "Kosum" {antimagic,
                  | rC+}.
 42947 | D:14     | 42947 ||| SWAPPING to +6 heavy broad axe.
 42948 | D:14     | 42948 ||| SWAPPING to +9 broad axe "Kosum" {antimagic,
                  | rC+}.
 42949 | D:14     | 42949 ||| SWAPPING to +6 heavy broad axe.
 42950 | D:14     | 42950 ||| SWAPPING to +9 broad axe "Kosum" {antimagic,
                  | rC+}.
 42951 | D:14     | 42951 ||| SWAPPING to +6 heavy broad axe.
 42952 | D:14     | 42952 ||| SWAPPING to +9 broad axe "Kosum" {antimagic,
                  | rC+}.
 42953 | D:14     | 42953 ||| SWAPPING to +6 heavy broad axe.
 42954 | D:14     | 42954 ||| SWAPPING to +9 broad axe "Kosum" {antimagic,
                  | rC+}.
 42955 | D:14     | 42955 ||| SWAPPING to +6 heavy broad axe.
 42956 | D:14     | 42956 ||| SWAPPING to +9 broad axe "Kosum" {antimagic,
                  | rC+}.
 42957 | D:14     | 42957 ||| SWAPPING to +6 heavy broad axe.
 42958 | D:14     | 42958 ||| SWAPPING to +9 broad axe "Kosum" {antimagic,
                  | rC+}.
 42959 | D:14     | 42959 ||| SWAPPING to +6 heavy broad axe.
 42960 | D:14     | 42960 ||| SWAPPING to +9 broad axe "Kosum" {antimagic,
                  | rC+}.
 42961 | D:14     | 42961 ||| SWAPPING to +6 heavy broad axe.
 42962 | D:14     | 42962 ||| SWAPPING to +9 broad axe "Kosum" {antimagic,
                  | rC+}.
 42963 | D:14     | 42963 ||| SWAPPING to +6 heavy broad axe.
 42964 | D:14     | 42964 ||| SWAPPING to +9 broad axe "Kosum" {antimagic,
                  | rC+}.
 42965 | D:14     | 42965 ||| SWAPPING to +6 heavy broad axe.
 42966 | D:14     | 42966 ||| SWAPPING to +9 broad axe "Kosum" {antimagic,
                  | rC+}.
 42967 | D:14     | 42967 ||| SWAPPING to +6 heavy broad axe.
 42968 | D:14     | 42968 ||| SWAPPING to +9 broad axe "Kosum" {antimagic,
                  | rC+}.
 42969 | D:14     | 42969 ||| SWAPPING to +6 heavy broad axe.
 42970 | D:14     | 42970 ||| SWAPPING to +9 broad axe "Kosum" {antimagic,
                  | rC+}.
 42971 | D:14     | 42971 ||| SWAPPING to +6 heavy broad axe.
 42972 | D:14     | 42972 ||| SWAPPING to +9 broad axe "Kosum" {antimagic,
                  | rC+}.
 42973 | D:14     | 42973 ||| SWAPPING to +6 heavy broad axe.
 42974 | D:14     | 42974 ||| SWAPPING to +9 broad axe "Kosum" {antimagic,
                  | rC+}.
 42975 | D:14     | 42975 ||| SWAPPING to +6 heavy broad axe.
 42976 | D:14     | 42976 ||| SWAPPING to +9 broad axe "Kosum" {antimagic,
                  | rC+}.
 42977 | D:14     | 42977 ||| SWAPPING to +6 heavy broad axe.
 42978 | D:14     | 42978 ||| SWAPPING to +9 broad axe "Kosum" {antimagic,
                  | rC+}.
 42979 | D:14     | 42979 ||| SWAPPING to +6 heavy broad axe.
 42980 | D:14     | 42980 ||| SWAPPING to +9 broad axe "Kosum" {antimagic,
                  | rC+}.
 42981 | D:14     | 42981 ||| SWAPPING to +6 heavy broad axe.
 42982 | D:14     | 42982 ||| SWAPPING to +9 broad axe "Kosum" {antimagic,
                  | rC+}.
 42983 | D:14     | 42983 ||| SWAPPING to +6 heavy broad axe.
 42984 | D:14     | 42984 ||| SWAPPING to +9 broad axe "Kosum" {antimagic,
                  | rC+}.
 42985 | D:14     | 42985 ||| SWAPPING to +6 heavy broad axe.
 42986 | D:14     | 42986 ||| SWAPPING to +9 broad axe "Kosum" {antimagic,
                  | rC+}.
 42987 | D:14     | 42987 ||| SWAPPING to +6 heavy broad axe.
 42988 | D:14     | 42988 ||| SWAPPING to +9 broad axe "Kosum" {antimagic,
                  | rC+}.
 42989 | D:14     | 42989 ||| SWAPPING to +6 heavy broad axe.
 42990 | D:14     | 42990 ||| SWAPPING to +9 broad axe "Kosum" {antimagic,
                  | rC+}.
 42991 | D:14     | 42991 ||| SWAPPING to +6 heavy broad axe.
 42992 | D:14     | 42992 ||| SWAPPING to +9 broad axe "Kosum" {antimagic,
                  | rC+}.
 42993 | D:14     | 42993 ||| SWAPPING to +6 heavy broad axe.
 42994 | D:14     | 42994 ||| SWAPPING to +9 broad axe "Kosum" {antimagic,
                  | rC+}.
 42995 | D:14     | 42995 ||| SWAPPING to +6 heavy broad axe.
 42996 | D:14     | 42996 ||| SWAPPING to +9 broad axe "Kosum" {antimagic,
                  | rC+}.
 42997 | D:14     | 42997 ||| SWAPPING to +6 heavy broad axe.
 42998 | D:14     | 42998 ||| SWAPPING to +9 broad axe "Kosum" {antimagic,
                  | rC+}.
 42999 | D:14     | 42999 ||| SWAPPING to +6 heavy broad axe.
 43000 | D:14     | 43000 ||| SWAPPING to +9 broad axe "Kosum" {antimagic,
                  | rC+}.
 43001 | D:14     | 43001 ||| PLANNING D
 43104 | D:14     | 43104 ||| INVOKING Heroism.
 43157 | D:14     | Found a gate to the Vaults.
 43159 | D:14     | 43159 ||| PLANNING D
 43185 | D:14     | 43185 ||| Stepping ~*~*~tactically~*~*~ (hiding).
 43187 | D:14     | 43187 ||| INVOKING Heroism.
 43456 | D:15     | Entered Level 15 of the Dungeon
 43691 | D:15     | 43691 ||| Stepping ~*~*~tactically~*~*~ (hiding).
 43693 | D:15     | 43693 ||| Stepping ~*~*~tactically~*~*~ (hiding).
 43694 | D:15     | 43694 ||| Stepping ~*~*~tactically~*~*~ (hiding).
 43853 | D:15     | 43853 ||| Stepping ~*~*~tactically~*~*~ (hiding).
 43861 | D:15     | 43861 ||| Stepping ~*~*~tactically~*~*~ (stealth).
 43899 | D:15     | 43899 ||| INVOKING Heroism.
 43924 | D:15     | 43924 ||| INVOKING Heroism.
 43927 | D:15     | Received a gift from Okawaru
 43944 | D:15     | Reached XP level 16. HP: 73/101 MP: 6/23
 44097 | D:15     | Noticed Azrael
 44098 | D:15     | 44098 ||| INVOKING Heroism.
 44112 | D:15     | Killed Azrael
 44156 | D:15     | 44156 ||| Stepping ~*~*~tactically~*~*~ (hiding).
 44162 | D:15     | 44162 ||| INVOKING Heroism.
 44167 | D:15     | Paralysed by an ogre mage for 2 turns
 44248 | D:15     | 44248 ||| INVOKING Heroism.
 44251 | D:15     | Reached skill level 17 in Axes
 44262 | D:15     | Received a gift from Okawaru
 44285 | D:15     | Found a staircase to the Depths.
 44396 | D:15     | 44396 ||| PLANNING ORC
 44480 | Orc:1    | Entered Level 1 of the Orcish Mines
 44533 | Orc:1    | 44533 ||| Stepping ~*~*~tactically~*~*~ (hiding).
 44535 | Orc:1    | 44535 ||| Stepping ~*~*~tactically~*~*~ (hiding).
 44547 | Orc:1    | 44547 ||| Stepping ~*~*~tactically~*~*~ (hiding).
 44673 | Orc:2    | Entered Level 2 of the Orcish Mines
 44702 | Orc:1    | 44702 ||| INVOKING Heroism.
 44702 | Orc:1    | Noticed Urug
 44714 | Orc:1    | Killed Urug
 44757 | Orc:1    | 44757 ||| Stepping ~*~*~tactically~*~*~ (hiding).
 44759 | Orc:1    | 44759 ||| Stepping ~*~*~tactically~*~*~ (hiding).
 44769 | Orc:1    | 44769 ||| Stepping ~*~*~tactically~*~*~ (hiding).
 44896 | Orc:1    | 44896 ||| Stepping ~*~*~tactically~*~*~ (stealth).
 44908 | Orc:1    | 44908 ||| Stepping ~*~*~tactically~*~*~ (hiding).
 44910 | Orc:1    | 44910 ||| Stepping ~*~*~tactically~*~*~ (hiding).
 44911 | Orc:1    | 44911 ||| Stepping ~*~*~tactically~*~*~ (hiding).
 45090 | Orc:2    | Found a staircase to the Elven Halls.
 45112 | Orc:2    | 45112 ||| INVOKING Heroism.
 45167 | Orc:1    | 45167 ||| INVOKING Heroism.
 45382 | Orc:2    | Noticed Erolcha
 45402 | Orc:2    | Killed Erolcha
 45402 | Orc:2    | Received a gift from Okawaru
 45442 | Orc:2    | Noticed Donald
 45443 | Orc:2    | 45443 ||| INVOKING Heroism.
 45457 | Orc:2    | Killed Donald
 45474 | Orc:2    | Paralysed by an orc sorcerer for 5 turns
 45477 | Orc:2    | HP: 22/104 [orc knight/+0 dire flail (6)]
 45480 | Orc:2    | 45480 ||| READING 4 scrolls of teleportation.
 45481 | Orc:2    | 45481 ||| DRINKING 9 potions of heal wounds.
 45482 | Orc:2    | 45482 ||| DRINKING 8 potions of heal wounds.
 45482 | Orc:2    | Found Vinuur's Antique Armour Shop.
 45482 | Orc:2    | Found Goysm's Assorted Antiques.
 45499 | Orc:2    | Received a gift from Okawaru
 45502 | Orc:2    | 45502 ||| INVOKING Heroism.
 45544 | Orc:2    | 45544 ||| BUYING glowing chain mail (300 gold).
 45544 | Orc:2    | Bought a glowing chain mail for 300 gold pieces
 45544 | Orc:2    | 45544 ||| BUYING shiny chain mail (300 gold).
 45544 | Orc:2    | Bought a shiny chain mail for 300 gold pieces
 45547 | Orc:2    | 45547 ||| BUYING glowing eveningstar (486 gold).
 45547 | Orc:2    | Bought a glowing eveningstar for 486 gold pieces
 45547 | Orc:2    | 45547 ||| BUYING potion of curing (81 gold).
 45547 | Orc:2    | Bought a potion of curing for 81 gold pieces
 45547 | Orc:2    | 45547 ||| BUYING scroll of teleportation (81 gold).
 45547 | Orc:2    | Bought a scroll of teleportation for 81 gold pieces
 45547 | Orc:2    | Found Qicusiam's Magic Scroll Emporium.
 45549 | Orc:2    | Found Parab's Assorted Antiques.
 45555 | Orc:2    | 45555 ||| BUYING scroll of acquirement (624 gold).
 45555 | Orc:2    | Bought a scroll of acquirement for 624 gold pieces
 45555 | Orc:2    | 45555 ||| BUYING scroll of brand weapon (114 gold).
 45555 | Orc:2    | Bought a scroll of brand weapon for 114 gold pieces
 45555 | Orc:2    | 45555 ||| BUYING scroll of teleportation (36 gold).
 45555 | Orc:2    | Bought a scroll of teleportation for 36 gold pieces
 45555 | Orc:2    | 45555 ||| READING scroll of acquirement.
 45555 | Orc:2    | 45555 ||| ACQUIRING scarf of Packeo {harm, *Slow rF++
                  | Dex+4}
 45555 | Orc:2    | Acquired the scarf of Packeo {harm, *Slow rF++ Dex+4}
 45557 | Orc:2    | 45557 ||| DROPPING +2 chain mail of poison resistance.
 45561 | Orc:2    | 45561 ||| SHOPLISTING potion of mutation (200 gold, have
                  | 190).
 45605 | Orc:2    | 45605 ||| INVOKING Heroism.
 45609 | Orc:2    | 45609 ||| Stepping ~*~*~tactically~*~*~ (stealth).
 45906 | Orc:2    | 45906 ||| INVOKING Heroism.
 45945 | Orc:2    | 45945 ||| PLANNING SHOALS:1-3
 46103 | Shoals:1 | Entered Level 1 of the Shoals
 46267 | Shoals:1 | Reached skill level 6 in Throwing
 46300 | Shoals:1 | 46300 ||| READING scroll of enchant armour.
 46300 | Shoals:1 | 46300 ||| ENCHANTING +0 pair of gloves.
 46393 | Shoals:1 | Noticed a walking earthen tome
 46418 | Shoals:1 | Noticed a walking divine tome
 46421 | Shoals:1 | Found Nemoann's Book Boutique.
 46534 | Shoals:1 | 46534 ||| Stepping ~*~*~tactically~*~*~ (stealth).
 46542 | Shoals:1 | 46542 ||| Stepping ~*~*~tactically~*~*~ (stealth).
 46614 | Shoals:1 | 46614 ||| Stepping ~*~*~tactically~*~*~ (hiding).
 46768 | Shoals:1 | 46768 ||| INVOKING Heroism.
 46988 | Shoals:2 | 46988 ||| INVOKING Heroism.
 47001 | Shoals:2 | Noticed Polyphemus
 47010 | Shoals:2 | 47010 ||| INVOKING Finesse.
 47019 | Shoals:2 | HP: 15/104 [Polyphemus (17)]
 47020 | Shoals:2 | 47020 ||| READING 9 scrolls of teleportation.
 47020 | Shoals:2 | HP: 2/104 [Polyphemus (14)]
 47021 | Shoals:2 | 47021 ||| DRINKING 7 potions of heal wounds.
 47022 | Shoals:2 | 47022 ||| DRINKING 6 potions of heal wounds.
 47289 | Shoals:2 | Received a gift from Okawaru
 47375 | Shoals:2 | Noticed Frances
 47376 | Shoals:2 | 47376 ||| Stepping ~*~*~tactically~*~*~ (hiding).
 47377 | Shoals:2 | 47377 ||| Stepping ~*~*~tactically~*~*~ (hiding).
 47381 | Shoals:2 | 47381 ||| INVOKING Heroism.
 47395 | Shoals:2 | 47395 ||| INVOKING Finesse.
 47409 | Shoals:2 | Killed Frances
 47427 | Shoals:2 | Killed Polyphemus
 47517 | Shoals:2 | 47517 ||| INVOKING Heroism.
 47520 | Shoals:2 | 47520 ||| Stepping ~*~*~tactically~*~*~ (hiding).
 47531 | Shoals:2 | Received a gift from Okawaru
 47532 | Shoals:2 | Reached XP level 17. HP: 108/108 MP: 6/24
 47559 | Shoals:2 | 47559 ||| Stepping ~*~*~tactically~*~*~ (hiding).
 47606 | Shoals:2 | Reached skill level 18 in Axes
 47606 | Shoals:2 | 47606 ||| INVOKING Heroism.
 48075 | Shoals:3 | 48075 ||| INVOKING Heroism.
 48083 | Shoals:3 | HP: 6/108 [merfolk aquamancer/torrent of water (33)]
 48084 | Shoals:3 | 48084 ||| READING 8 scrolls of teleportation.
 48085 | Shoals:3 | 48085 ||| DRINKING 5 potions of heal wounds.
 48125 | Shoals:3 | 48125 ||| INVOKING Heroism.
 48311 | Shoals:3 | 48311 ||| INVOKING Heroism.
 48501 | Shoals:3 | 48501 ||| Stepping ~*~*~tactically~*~*~ (stealth).
 48516 | Shoals:3 | Received a gift from Okawaru
 48640 | Shoals:3 | Found Wuolo's Visitors' Centre.
 48640 | Shoals:3 | Found Wuolo's Merfolk Magic.
 48644 | Shoals:3 | 48644 ||| INVOKING Heroism.
 48645 | Shoals:3 | 48645 ||| INVOKING Finesse.
 48727 | Shoals:3 | 48727 ||| SHOPLISTING +5 ring of evasion (612 gold, have
                  | 503).
 48727 | Shoals:3 | 48727 ||| SHOPLISTING amulet of reflection (510 gold, have
                  | 503).
 48732 | Shoals:3 | 48732 ||| BUYING scroll of teleportation (300 gold).
 48732 | Shoals:3 | Bought a scroll of teleportation for 300 gold pieces
 48748 | Shoals:3 | 48748 ||| SHOPLISTING +2 pair of gloves (247 gold, have
                  | 215).
 48792 | Shoals:3 | 48792 ||| Stepping ~*~*~tactically~*~*~ (hiding).
 48992 | Shoals:3 | 48992 ||| PLANNING SPIDER:1-3
 49102 | Spider:1 | Entered Level 1 of the Spider Nest
 49103 | Spider:1 | 49103 ||| Stepping ~*~*~tactically~*~*~ (hiding).
 49106 | Spider:1 | 49106 ||| INVOKING Finesse.
 49317 | Spider:1 | Found a runed translucent door.
 49317 | Spider:1 | Noticed qw's ghost (adept GrFi)
 49330 | Spider:1 | 49330 ||| INVOKING Heroism.
 49353 | Spider:1 | 49353 ||| Stepping ~*~*~tactically~*~*~ (stealth).
 49355 | Spider:1 | 49355 ||| Stepping ~*~*~tactically~*~*~ (hiding).
 49432 | Spider:1 | 49432 ||| Stepping ~*~*~tactically~*~*~ (stealth).
 49435 | Spider:1 | 49435 ||| Stepping ~*~*~tactically~*~*~ (stealth).
 49436 | Spider:1 | 49436 ||| Stepping ~*~*~tactically~*~*~ (stealth).
 49438 | Spider:1 | 49438 ||| Stepping ~*~*~tactically~*~*~ (hiding).
 49440 | Spider:1 | 49440 ||| Stepping ~*~*~tactically~*~*~ (hiding).
 49445 | Spider:1 | 49445 ||| Stepping ~*~*~tactically~*~*~ (hiding).
 49593 | Spider:1 | 49593 ||| Stepping ~*~*~tactically~*~*~ (hiding).
 49594 | Spider:1 | 49594 ||| Stepping ~*~*~tactically~*~*~ (hiding).
 49616 | Spider:1 | Received a gift from Okawaru
 49686 | Spider:1 | 49686 ||| INVOKING Heroism.
 49699 | Spider:1 | Received a gift from Okawaru
 49736 | Spider:1 | Found a frozen archway.
 49757 | Spider:1 | 49757 ||| INVOKING Finesse.
 49907 | Spider:1 | 49907 ||| INVOKING Heroism.
 49925 | Spider:1 | Received a gift from Okawaru
 50752 | Spider:2 | Found the amulet of the Four Winds {rN+ Will+++ Clar}
 50768 | Spider:2 | 50768 ||| INVOKING Heroism.
 50794 | Spider:2 | HP: 19/112 [disintegration (55)]
 50795 | Spider:2 | 50795 ||| READING 8 scrolls of teleportation.
 50796 | Spider:2 | 50796 ||| DRINKING 4 potions of heal wounds.
 50799 | Spider:2 | Noticed Arachne
 50800 | Spider:2 | Gained mutation: Armour fits poorly on your strangely
                  | shaped body. [mutagenic glow]
 50818 | Spider:2 | Gained mutation: You are dopey. (Int -2) [mutagenic glow]
 50884 | Spider:2 | 50884 ||| DRINKING 4 potions of mutation.
 50884 | Spider:2 | Lost mutation: You possess an exceptional clarity of mind.
                  | [potion of mutation]
 50884 | Spider:2 | Lost mutation: You are dopey. (Int -2) [potion of mutation]
 50884 | Spider:2 | Lost mutation: Armour fits poorly on your strangely shaped
                  | body. [potion of mutation]
 50884 | Spider:2 | Gained mutation: A frigid envelope surrounds you and
                  | freezes all who hurt you. [potion of mutation]
 50884 | Spider:2 | Gained mutation: Armour fits poorly on your strangely
                  | shaped body. [potion of mutation]
 50884 | Spider:2 | Gained mutation: Your mind is acute. (Int +4, Str/Dex -1)
                  | [potion of mutation]
 50885 | Spider:2 | 50885 ||| DRINKING 3 potions of mutation.
 50885 | Spider:2 | Lost mutation: A frigid envelope surrounds you and freezes
                  | all who hurt you. [potion of mutation]
 50885 | Spider:2 | Lost mutation: Armour fits poorly on your strangely shaped
                  | body. [potion of mutation]
 50885 | Spider:2 | Gained mutation: Your magical capacity is low. (-10% MP)
                  | [potion of mutation]
 50934 | Spider:2 | Reached skill level 15 in Fighting
 50935 | Spider:2 | 50935 ||| DRINKING 15 potions of curing.
 50935 | Spider:2 | 50935 ||| (to cure confusion)
 50940 | Spider:2 | Received a gift from Okawaru
 50993 | Spider:2 | 50993 ||| Stepping ~*~*~tactically~*~*~ (stealth).
 51007 | Spider:2 | Reached XP level 18. HP: 119/119 MP: 7/22
 51112 | Spider:2 | 51112 ||| DROPPING +7 morningstar "Keplip" {pain, rElec
                  | rCorr}.
 51113 | Spider:2 | 51113 ||| DROPPING +4 eveningstar of holy wrath.
 51164 | Spider:2 | Noticed Nikola
 51165 | Spider:2 | 51165 ||| INVOKING Heroism.
 51182 | Spider:2 | Killed Nikola
 51192 | Spider:2 | 51192 ||| INVOKING Heroism.
 51204 | Spider:2 | 51204 ||| Stepping ~*~*~tactically~*~*~ (hiding).
 51254 | Spider:2 | Noticed Asterion
 51255 | Spider:2 | 51255 ||| INVOKING Heroism.
 51271 | Spider:2 | Killed Asterion
 51279 | Spider:2 | 51279 ||| Stepping ~*~*~tactically~*~*~ (stealth).
 51353 | Spider:2 | You are sucked into a shaft and drop 1 floor!
 51360 | Spider:3 | 51360 ||| DRINKING 14 potions of curing.
 51360 | Spider:3 | 51360 ||| (to cure confusion)
 51364 | Spider:3 | 51364 ||| INVOKING Heroism.
 51380 | Spider:3 | HP: 26/114 [jorogumo/bolt of negative energy (20)]
 51381 | Spider:3 | 51381 ||| READING 7 scrolls of teleportation.
 51382 | Spider:3 | 51382 ||| DRINKING 4 potions of heal wounds.
 51391 | Spider:3 | HP: 25/115 [jumping spider (7)]
 51392 | Spider:3 | 51392 ||| READING 6 scrolls of teleportation.
 51392 | Spider:3 | HP: 9/115 [jumping spider (10)]
 51393 | Spider:3 | 51393 ||| DRINKING 3 potions of heal wounds.
 51393 | Spider:3 | Slain by a torpor snail

Levels and vault maps discovered:
D:1:      erik_arrival_blinker_ship, layout_basic
D:2:      layout_rooms, uniq_crazy_yiuf_cottage
D:3:      layout_basic, bloody_trog, worldfamousw_hep_ancestral_shrine,
          grunt_decor_resistance
D:4:      layout_rooms, mainiacjoe_overflow_24_doors,
          mainiacjoe_overflow_small_starburst, minmay_temple_entry_large_hall,
          uniq_menkaure
D:5:      layout_gridville, tso_oasis_becter, grunt_temple_overflow_open,
          zin_academy, serial_shops, nicolae_lakefront_shop
D:6:      layout_basic, nicolae_qazlal_general_emergency
D:7:      lemuel_bear_cage, layout_rooms, serial_bayou_ford_a, uniq_pikel,
          uniq_duvessa
D:8:      layout_basic, gammafunk_temple_overflow_statue, grunt_decor_fettered
D:9:      layout_long_grid, due_lair_maze_entry_diamond
D:10:     layout_loops_ring, xom_confusion_cloud, grunt_nemelex_the_gamble,
          okawaru_humans, enter_bailey_2, abandoned_shop, lemuel_flamethrower_2
D:11:     layout_long_grid, kennysheep_orc_monster_closet_entryway, uniq_lodul
D:12:     layout_cross, drop_trap
D:13:     layout_roguey, st_stairs_14, minivault_19, pf_eden, uniq_nessos,
          uniq_kirke
D:14:     layout_basic, skrybe_vaults_entry_preservation,
          minmay_misc_feat_doors, serial_undead, serial_undead_d,
          serial_undead_e, serial_undead_b, serial_undead_d,
          gauntlet_entry_generic
D:15:     grunt_enter_depths_hoard, layout_basic, minmay_misc_feat_tower,
          minmay_fractal_squares_diagonal_5, uniq_azrael
Temple:   hellmonk_temple_flake
Lair:1:   layout_layer_cave, pdpol_lair_cabin_in_the_woods, uniq_joseph,
          uniq_maggie, uniq_nergalle
Lair:2:   layout_roguey [special_room_bee], dummy_spider_entry,
          gammafunk_ghost_wrathful_warriors, nicolae_volcano_entry_hallway
Lair:3:   nzn_winding_woodlands_three_and_one
          [nzn_winding_woodlands_5x15_sidewinder,
          nzn_winding_woodlands_5x15_crooked,
          nzn_winding_woodlands_5x15_lazy_stream,
          nzn_winding_woodlands_center_diamonds], layout_misc_corridors,
          minmay_shoals_entry_centaurs, lemuel_fruit_fields, uniq_rupert
Lair:4:   dreamdust_labyrinth, layout_concentric_octagons,
          ebering_ghost_inner_flame
Lair:5:   gammafunk_lair_ancient_temple, layout_cave_shapes,
          nicolae_slime_entry_slimehenge, lemuel_fruit_tree
Shoals:1: layout_shoals, serial_shops, nicolae_shop_mannequins,
          nicolae_shoals_water_elemental_grotto
Shoals:2: layout_shoals, overgrown_hall, uniq_frances, uniq_polyphemus
Shoals:3: nicolae_shoals_mermall, layout_shoals
Spider:1: layout_chambers, hellmonk_ghost_happy_afterlife,
          portal_ice_cave_entry_ugly_swarm
Spider:2: layout_spider_delve, nicolae_orb_island, uniq_asterion, uniq_arachne,
          uniq_nikola
Spider:3: layout_spider_delve, nicolae_spider_not_touching_you, uniq_bai_suzhen
Orc:1:    layout_diamond_mine, uniq_urug
Orc:2:    st_orc_elflike, layout_caves, uniq_donald, uniq_erolcha

Skill      XL: |  1  2  3  4  5  6  7  8  9 10 11 12 13 14 15 16 17 18 |
---------------+-------------------------------------------------------+-----
Axes           | 2 3 4 5 6 7 8 10 11 12 14 15 16 17 18 | 18.0
Fighting       | 5 6 7 9 10 12 13 15 | 15.0
Armour         | 4 5 6 8 9 10 11 12 13 14 | 14.6
Dodging        | 1 2 3 4 5 |  5.0
Throwing       | 1 2 5 7 8 |  8.0
Shields        | 6 8 9 10 11 12 13 14 | 14.1
Invocations    | 4 7 10 | 10.0

Action                     |  1- 3 |  4- 6 |  7- 9 | 10-12 | 13-15 | 16-18 || total
---------------------------+-------+-------+-------+-------+-------+-------++-------
  Melee: War axe           |   142 |   115 |   327 |   658 |   101 |       ||  1343
         Broad axe         |       |       |       |       |   840 |  1069 ||  1909
  Throw: Boomerang         |       |       |    35 |    51 |    79 |     7 ||   172
         Javelin           |       |       |       |       |    23 |    84 ||   107
 Invoke: Heroism           |       |       |       |    13 |    25 |    27 ||    65
         Finesse           |       |       |       |       |     5 |     5 ||    10
    Use: Scroll            |     6 |     5 |    10 |     1 |    15 |     8 ||    45
         Potion            |     1 |     3 |     6 |       |     1 |    12 ||    23
   Stab: Distracted        |       |       |       |       |     1 |       ||     1
         Petrifying        |       |       |       |       |       |     3 ||     3
         Petrified         |       |       |       |       |       |     2 ||     2
 Armour: Scale mail        |    73 |       |       |       |       |       ||    73
         Plate armour      |     3 |    65 |   254 |   334 |   438 |   519 ||  1613
  Dodge: Dodged            |    64 |    34 |    87 |   336 |   390 |   508 ||  1419
  Block: Buckler           |    26 |    19 |    20 |       |       |       ||    65
         Kite shield       |       |       |   103 |   504 |   621 |   714 ||  1942

Table legend:
 A = Non-vault XP
 B = Vault XP
 C = Vault XP percentage of total XP
 D = Non-vault monster count
 E = Vault monster count
 F = Vault count percentage of total count
                 A         B        C        D         E       F
            +---------+---------+-------+---------+---------+-------
      Total |  175604 |   81341 |  31.7 |     660 |     219 |  24.9
            +---------+---------+-------+---------+---------+-------
        D:1 |      37 |       0 |   0.0 |      21 |       0 |   0.0
        D:2 |      38 |       0 |   0.0 |      13 |       0 |   0.0
        D:3 |     142 |       0 |   0.0 |      16 |       0 |   0.0
        D:4 |     448 |     169 |  27.4 |      22 |       1 |   4.3
        D:5 |     912 |       0 |   0.0 |      20 |       0 |   0.0
        D:6 |    1102 |       0 |   0.0 |      24 |       0 |   0.0
        D:7 |     647 |     868 |  57.3 |      12 |       3 |  20.0
        D:8 |     855 |       0 |   0.0 |      20 |       0 |   0.0
        D:9 |    1981 |    1228 |  38.3 |      18 |      10 |  35.7
       D:10 |    3041 |    1908 |  38.6 |      19 |      11 |  36.7
       D:11 |    2428 |    3214 |  57.0 |      14 |      28 |  66.7
       D:12 |    3748 |       0 |   0.0 |      15 |       0 |   0.0
       D:13 |    4686 |    5474 |  53.9 |      13 |       8 |  38.1
       D:14 |    8159 |    8314 |  50.5 |      22 |      15 |  40.5
       D:15 |   13557 |    8467 |  38.4 |      24 |      16 |  40.0
     Lair:1 |    3355 |    2195 |  39.5 |      14 |       5 |  26.3
     Lair:2 |   11458 |    1782 |  13.5 |      38 |      25 |  39.7
     Lair:3 |    5037 |    4063 |  44.6 |      15 |       9 |  37.5
     Lair:4 |    7842 |       0 |   0.0 |      22 |       0 |   0.0
     Lair:5 |   25815 |    6822 |  20.9 |      66 |      23 |  25.8
   Shoals:1 |    9202 |     847 |   8.4 |      17 |       4 |  19.0
   Shoals:2 |   16687 |    7658 |  31.5 |      30 |       8 |  21.1
   Shoals:3 |   17000 |    4069 |  19.3 |      44 |       8 |  15.4
   Spider:1 |   16884 |    7107 |  29.6 |      48 |      12 |  20.0
   Spider:2 |   11212 |    4096 |  26.8 |      33 |       2 |   5.7
   Spider:3 |    3158 |    1599 |  33.6 |       8 |       3 |  27.3
      Orc:1 |    4815 |     800 |  14.2 |      41 |       1 |   2.4
      Orc:2 |    1358 |   10661 |  88.7 |      11 |      27 |  71.1
            +---------+---------+-------+---------+---------+-------
